 Dungeon Crawl Stone Soup version 0.31.0-10-gcf4a605ca0 (webtiles) character file.

Game seed: 7127647544783594717

5585340 Implojin the Plutocrat (level 27, 199/199 HPs)
             Began as a Gargoyle Earth Elementalist on Jan 22, 2024.
             Was an Initiate of Gozag.
             Escaped with the Orb
             ... and 15 runes on Jan 26, 2024!
             The game lasted 1 day 03:31:41 (411022 turns).

Implojin the Plutocrat (GrEE)                 Turns: 411022, Time: 1 , 03:31:41

Health: 199/199    AC: 64    Str: 25    XL:     27
Magic:  59/60      EV: 29    Int: 43    God:    Gozag
Gold:   125300     SH:  0    Dex: 25    Spells: 0/80 levels left

rFire   + + +        t - +6 Majin-Bo {spellvamp, MP+6 Int+6, !d}
rCold   + + +        V - crystal ball of Wucad Mu {*channel, !d}
rNeg    + + +        J - +8 orange crystal plate armour {Archmagi, Int+3 Clar, !d}
rPois   ∞            i - -2 hat of the Alchemist {rElec rPois rF+ rC+ rN+ Will+ rMut rCorr, !d}
rElec   +            h - scarf "Jorideh" {repulsion, rElec rF+ Dex+4, !d}
rCorr   +            d - +1 pair of gloves of Ryon Miw {rF+ Int+3, !d}
SInv    +            A - +1 pair of boots of Greater Demons {rN+ Str+6 Int+3, !d}
Will    +++++        n - amulet of Vitality {RegenMP++ Regen++, !d}
Stlth   +            G - ring of the Mage {Wiz Archmagi, !d}
HPRegen 2.13/turn    s - ring "Owetzuesh" {EV+5 Str+3 Dex+8, !d}
MPRegen 1.17/turn

%: repel missiles, clarity, resist mutation, wizardry (x1), archmagi, channel
magic (40%)
@: mighty, brilliant, death-form, death channelling, resistant, enlightened,
flying, hasted, studying 4 skills, invisible, very quick
A: vile attack, torment immunity, no potions, flying, sickness immunity, AC +20,
big wings, negative energy resistance 1, electricity resistance, torment
resistance 1, petrification resistance, antennae 2, see invisible, cold
resistance 1
0: Orb of Zot
}: 15/15 runes: serpentine, barnacled, slimy, silver, golden, iron, obsidian,
icy, bone, abyssal, demonic, glowing, magical, fiery, dark
a: Siphon Essence, Begin Untransformation, Renounce Religion, Potion Petition,
Call Merchant, Bribe Branch


You escaped.
You worshipped Gozag.
Gozag was exalted by your worship.
You were an undying horror.
You visited 18 branches of the dungeon, and saw 88 of its levels.
You visited Pandemonium 1 time, and saw 20 of its levels.
You visited the Abyss 9 times.
You completed 27 ziggurats, and saw 729 of their levels.
You also visited: Gauntlet and Desolation.

You collected 1780905 gold pieces.
You spent 6194 gold pieces at shops.
You paid 1649411 gold pieces to Gozag.

Inventory:

Hand Weapons
 a - a +9 demon whip of distortion {!d}
 e - a +9 rapier of speed {!d}
 q - the +8 demon trident "Rift" {distort, reach+, !d}
   (You found it on level 7 of a ziggurat)
 t - the +6 Majin-Bo (weapon) {spellvamp, MP+6 Int+6, !d}
   (You found it on level 26 of a ziggurat)

   Int+6:     It affects your intelligence (+6).
   MP+6:      It affects your magic capacity (+6).
Missiles
 j - 120 throwing nets
 I - 500 silver javelins
Armour
 d - the +1 pair of gloves of Ryon Miw (worn) {rF+ Int+3, !d}
   (You found it on level 3 of the Elven Halls)

   Int+3:     It affects your intelligence (+3).
   rF+:       It protects you from fire.
 h - the scarf "Jorideh" (worn) {repulsion, rElec rF+ Dex+4, !d}
   (You found it on level 27 of a ziggurat)

   Dex+4:     It affects your dexterity (+4).
   rF+:       It protects you from fire.
   rElec:     It insulates you from electricity.
 i - the -2 hat of the Alchemist (worn) {rElec rPois rF+ rC+ rN+ Will+ rMut rCorr, !d}
   (You found it on level 26 of a ziggurat)

   rF+:       It protects you from fire.
   rC+:       It protects you from cold.
   rElec:     It insulates you from electricity.
   rPois:     It protects you from poison rN+: It protects you from negative
   energy.
   Will+:     It increases your willpower.
   rCorr:     It protects you from acid and corrosion.
   rMut:      It protects you from mutation.
 A - the +1 pair of boots of Greater Demons (worn) {rN+ Str+6 Int+3, !d}
   (You found it on level 2 of a ziggurat)

   Str+6:     It affects your strength (+6).
   Int+3:     It affects your intelligence (+3).
   rN+:       It protects you from negative energy.
 J - the +8 orange crystal plate armour (worn) {Archmagi, Int+3 Clar, !d}
   (You found it on level 20 of a ziggurat)

   Int+3:     It affects your intelligence (+3).
   Clar:      It protects you from confusion, rage, mesmerisation and fear.
 V - the crystal ball of Wucad Mu (worn) {*channel, !d}
   (You found it on level 22 of a ziggurat)

   *Channel:  It often returns the magic spent to cast spells, but lowers their
   success rate.
   It always returns the magic spent on miscasts.
Jewellery
 n - the amulet of Vitality (around neck) {RegenMP++ Regen++, !d}
   (You found it on level 8 of a ziggurat)

   [amulet of magic regeneration]

   RegenMP:   It increases your rate of magic regeneration.
   Regen++:   It increases your rate of health regeneration.
 r - the ring "Onwi" {Wiz rF+ Str+3 Dex+5, !d}
   (You found it on level 5 of a ziggurat)

   [ring of wizardry]

   Wiz:       It improves your spell success rate.
   Str+3:     It affects your strength (+3).
   Dex+5:     It affects your dexterity (+5).
   rF+:       It protects you from fire.
 s - the ring "Owetzuesh" (right hand) {EV+5 Str+3 Dex+8, !d}
   (You found it on level 23 of a ziggurat)

   [ring of evasion]

   EV+5:      It affects your evasion (+5).
   Str+3:     It affects your strength (+3).
   Dex+8:     It affects your dexterity (+8).
 E - the ring of Day {Int+7 Slay+4}
   (You found it on level 18 of a ziggurat)

   [ring of slaying]

   Int+7:     It affects your intelligence (+7).
   Slay+4:    It affects your accuracy & damage with ranged weapons and melee
   (+4).
 G - the ring of the Mage (left hand) {Wiz Archmagi, !d}
   (You found it on level 13 of a ziggurat)

   [ring of wizardry]

   Wiz:       It improves your spell success rate.
   Archmagi:  It increases the power of your magical spells.
 T - the ring of Pywa Xoc {rF+ rCorr Int+3 Dex+4}
   (You found it on level 26 of a ziggurat)

   [ring of resist corrosion]

   Int+3:     It affects your intelligence (+3).
   Dex+4:     It affects your dexterity (+4).
   rF+:       It protects you from fire.
   rCorr:     It protects you from acid and corrosion.
 X - the ring of Piudghic {rF+ rCorr Int+3 SInv, !d}
   (You found it on level 5 of the Lair of Beasts)

   [ring of see invisible]

   Int+3:     It affects your intelligence (+3).
   rF+:       It protects you from fire.
   SInv:      It lets you see invisible.
   rCorr:     It protects you from acid and corrosion.
Talismans
 C - the death talisman of Light (active) {Int+2 Dex+3, !d}
   (You found it on level 21 of a ziggurat)

   [talisman of death]

   Int+2:     It affects your intelligence (+2).
   Dex+3:     It affects your dexterity (+3).
Scrolls
 b - 13 scrolls of revelation
 c - 50 scrolls of fear
 f - 125 scrolls of immolation
 g - 3 scrolls of acquirement
 l - 534 scrolls of fog
 o - 291 scrolls of blinking
 y - 773 scrolls of teleportation
Potions
 k - 19 potions of invisibility
 v - 150 potions of curing
 w - 471 potions of mutation
 x - 53 potions of enlightenment
 z - 27 potions of ambrosia
 D - 37 potions of brilliance
 K - 180 potions of heal wounds
 L - 158 potions of haste
 W - 110 potions of cancellation
 Y - 143 potions of magic
 Z - 16 potions of resistance
Miscellaneous
 B - 2 +27 figurines of a ziggurat (quivered)
 R - a condenser vane {!d}


   Skills:
 O Level 27 Fighting
 O Level 27 Short Blades
 O Level 27 Long Blades
 O Level 27 Axes
 O Level 27 Maces & Flails
 O Level 27 Polearms
 O Level 27 Staves
 O Level 27 Ranged Weapons
 O Level 27 Throwing
 O Level 27 Armour
 O Level 27 Dodging
 O Level 27 Stealth
 O Level 27 Shields
 O Level 27 Unarmed Combat
 O Level 27 Spellcasting
 O Level 27 Conjurations
 O Level 27 Hexes
 O Level 27 Summonings
 O Level 27 Necromancy
 O Level 27 Translocations
 O Level 27 Fire Magic
 O Level 27 Ice Magic
 O Level 27 Air Magic
 O Level 27 Earth Magic
 O Level 27 Alchemy
 O Level 27 Invocations
 O Level 27 Evocations
 O Level 27 Shapeshifting


You couldn't memorise any spells.
You knew the following spells:

 Your Spells              Type           Power      Damage    Failure   Level
a - Ignition              Fire           100%       3d25      1%          8
b - Shatter               Erth           100%       3d71*     4%          9
c - Polar Vortex          Ice            100%       12d13*    4%          9
d - Chain Lightning       Conj/Air       100%       3d133     4%          9
e - Disjunction           Tloc           100%       N/A       1%          8
f - Leda's Liquefaction   Alch/Erth      100%       N/A       1%          4
g - Fire Storm            Conj/Fire      100%       8d25      4%          9
h - Vhi's Electric Charg  Tloc/Air       100%       N/A       1%          4
i - Olgreb's Toxic Radia  Alch           100%       N/A       1%          4
j - Apportation           Tloc           100%       N/A       1%          1
l - Death Channel         Necr           100%       N/A       1%          6
p - Death's Door          Necr           100%       N/A       4%          9

Your spell library contained the following spells:

 Spells                   Type           Power      Damage    Failure   Level
 Foxfire                  Conj/Fire      100%       2x1d9     1%          1
 Freeze                   Ice            100%       1d10      1%          1
 Kiss of Death            Conj/Necr      100%       2d13      1%          1
 Magic Dart               Conj           100%       1d8       1%          1
 Necrotise                Necr           100%       1d9       1%          1
 Sandblast                Erth           100%       2d20      1%          1
 Shock                    Conj/Air       100%       1d9       1%          1
 Slow                     Hex            100%       N/A       1%          1
 Sting                    Conj/Alch      100%       1d9       1%          1
 Summon Small Mammal      Summ           100%       N/A       1%          1
 Blink                    Tloc           100%       N/A       1%          2
 Call Imp                 Summ           100%       N/A       1%          2
 Ensorcelled Hibernation  Hex/Ice        100%       N/A       1%          2
 Jinxbite                 Hex            100%       N/A       1%          2
 Lesser Beckoning         Tloc           100%       N/A       1%          2
 Mercury Vapours          Alch/Air       100%       N/A       1%          2
 Momentum Strike          Conj/Tloc      100%       3d10      1%          2
 Scorch                   Fire           100%       2d9       1%          2
 Searing Ray              Conj           100%       2d8       1%          2
 Static Discharge         Conj/Air       100%       3-8/arc   1%          2
 Call Canine Familiar     Summ           100%       N/A       1%          3
 Confusing Touch          Hex            100%       N/A       1%          3
 Dazzling Flash           Conj/Hex       100%       N/A       1%          3
 Frozen Ramparts          Ice            100%       1d16      1%          3
 Fugue of the Fallen      Necr           100%       N/A       1%          3
 Gell's Gravitas          Tloc           100%       N/A       1%          3
 Hailstorm                Conj/Ice       100%       3d16      1%          3
 Inner Flame              Hex/Fire       100%       N/A       1%          3
 Mephitic Cloud           Conj/Alch/Air  100%       N/A       1%          3
 Ozocubu's Armour         Ice            100%       N/A       1%          3
 Passwall                 Erth           100%       N/A       1%          3
 Sigil of Binding         Hex            100%       N/A       1%          3
 Stone Arrow              Conj/Erth      100%       3d13      1%          3
 Summon Ice Beast         Ice/Summ       100%       N/A       1%          3
 Swiftness                Air            100%       N/A       1%          3
 Teleport Other           Tloc           100%       N/A       1%          3
 Tukima's Dance           Hex            100%       N/A       1%          3
 Vampiric Draining        Necr           100%       2d13      1%          3
 Volatile Blastmotes      Fire/Tloc      100%       2d18      1%          3
 Airstrike                Air            100%       2d(15-31) 1%          4
 Anguish                  Hex/Necr       100%       N/A       1%          4
 Animate Armour           Summ/Erth      100%       N/A       1%          4
 Brom's Barrelling Bould  Conj/Erth      100%       2d11      1%          4
 Cause Fear               Hex            100%       N/A       1%          4
 Dimensional Bullseye     Hex/Tloc       100%       N/A       1%          4
 Dispel Undead            Necr           100%       3d31      1%          4
 Flame Wave               Conj/Fire      100%       2d21      1%          4
 Fulminant Prism          Conj/Alch      100%       3d40      1%          4
 Ignite Poison            Fire/Alch      100%       N/A       1%          4
 Iskenderun's Mystic Bla  Conj/Tloc      100%       2d19      1%          4
 Manifold Assault         Tloc           100%       N/A       1%          4
 Martyr's Knell           Necr/Summ      100%       N/A       1%          4
 Passage of Golubria      Tloc           100%       N/A       1%          4
 Petrify                  Alch/Erth      100%       N/A       1%          4
 Sticky Flame             Fire/Alch      100%       2d15      1%          4
 Summon Blazeheart Golem  Fire/Summ      100%       N/A       1%          4
 Summon Lightning Spire   Summ/Air       100%       N/A       1%          4
 Alistair's Intoxication  Alch           100%       N/A       1%          5
 Arcjolt                  Conj/Air       100%       1d110     1%          5
 Borgnjor's Vile Clutch   Necr/Erth      100%       N/A       1%          5
 Curse of Agony           Necr           100%       N/A       1%          5
 Fireball                 Conj/Fire      100%       3d36      1%          5
 Freezing Cloud           Conj/Ice/Air   100%       6-21      1%          5
 Irradiate                Conj/Alch      100%       3d45      1%          5
 Iskenderun's Battlesphe  Conj           100%       2d15      1%          5
 Lee's Rapid Deconstruct  Erth           100%       3d44*     1%          5
 Metabolic Englaciation   Hex/Ice        100%       N/A       1%          5
 Silence                  Hex/Air        100%       N/A       1%          5
 Summon Forest            Summ/Tloc      100%       N/A       1%          5
 Summon Mana Viper        Hex/Summ       100%       N/A       1%          5
 Yara's Violent Unravell  Hex/Alch       100%       3d36      1%          5
 Bombard                  Conj/Erth      100%       9d16      1%          6
 Conjure Ball Lightning   Conj/Air       100%       3x3d38    1%          6
 Dispersal                Tloc           100%       N/A       1%          6
 Eringya's Noxious Bog    Alch           100%       4d6       1%          6
 Plasma Beam              Fire/Air       100%       2x1d120   1%          6
 Sculpt Simulacrum        Ice/Alch       100%       N/A       1%          6
 Starburst                Conj/Fire      100%       6d25      1%          6
 Summon Cactus Giant      Summ           100%       N/A       1%          6
 Enfeeble                 Hex            100%       N/A       1%          7
 Haunt                    Necr/Summ      100%       N/A       1%          7
 Malign Gateway           Summ/Tloc      100%       N/A       1%          7
 Monstrous Menagerie      Summ           100%       N/A       1%          7
 Orb of Destruction       Conj           100%       9d21      1%          7
 Ozocubu's Refrigeration  Ice            100%       4d29      1%          7
 Spellforged Servitor     Conj/Summ      100%       N/A       1%          7
 Summon Hydra             Summ           100%       N/A       1%          7
 Borgnjor's Revivificati  Necr           100%       N/A       1%          8
 Discord                  Hex            100%       N/A       1%          8
 Infestation              Necr           100%       N/A       1%          8
 Lehudib's Crystal Spear  Conj/Erth      100%       10d22     1%          8
 Maxwell's Capacitive Co  Air            100%       ∞         1%          8
 Summon Horrible Things   Summ           100%       N/A       1%          8
 Dragon's Call            Summ           100%       N/A       4%          9
 Cigotuvi's Dreadful Rot  Necr/Alch/Air  Unusable   N/A       N/A         2
 Sublimation of Blood     Necr           Unusable   N/A       N/A         2
 Animate Dead             Necr           Unusable   N/A       N/A         4

Dungeon Overview and Level Annotations

Branches:
Dungeon (15/15)            Temple (1/1) D:4            Lair (5/5) D:10
 Shoals (4/4) Lair:2        Snake (4/4) Lair:2        Slime (5/5) Lair:4
    Orc (2/2) D:10            Elf (3/3) Orc:2        Vaults (5/5) D:14
  Crypt (3/3) Vaults:3       Tomb (3/3) Crypt:3      Depths (4/4) D:15
   Hell (visited)             Dis (7/7) Hell            Geh (7/7) Hell
    Coc (7/7) Hell            Tar (7/7) Hell            Zot (5/5) Depths:4
Desolation (visited)      Gauntlet (visited)

Altars:
Ashenzari
Cheibriados
Dithmenos
Elyvilon
Fedhas
Gozag
Hepliaklqana
Kikubaaqudgha
Makhleb
Nemelex Xobeh
Okawaru
Qazlal
Ru
Sif Muna
Trog
Uskayaw
Vehumet
Wu Jian
Xom
Yredelemnul
Zin
The Shining One
Jiyva

Shops:
D:7 (   Orc:1 :   Orc:2 [:(::   Elf:1 :   Elf:2 :   Elf:3 !   Shoals:2 :
Snake:1 [   Vaults:1 *   Vaults:3 *   Vaults:4 ((   Vaults:5 [   Depths:4 [?*

Portals:
Hell: Depths:1 Depths:2 Depths:3 Depths:4
Abyss: Depths:3
Pandemonium: Depths:2 Depths:3 Depths:4

Annotations:
D:1 Edmund
Shoals:2 6 transporters
Elf:3 3 runed translucent doors, exclusion: 3 doors, Lalunt's ghost, adept MiBe


Innate Abilities, Weirdness & Mutations

You are an undying horror.
Your melee and unarmed attacks drain, slow and weaken victims.
You are immune to unholy pain and torment.
You cannot drink.
You are flying.
You are immune to sickness and miasma.
Your stone body is resilient. (AC +20)
You are immune to poison.
Your large and strong wings let you fly.
You resist negative energy. (rN+)
You are resistant to electric shocks. (rElec)
You are resistant to unholy torment.
You are immune to petrification.
You have a pair of antennae on your head.
You have supernaturally acute eyesight. (SInv)
Your flesh is cold resistant. (rC+)


Message History

You feel protected.
You feel much better.
Edmund completely misses you. [a] - 552 gold - heal wounds, berserk rage, resistance and might [b] - 140 gold - heal wounds [c] - 484 gold - resistance, might and invisibility Purchase which effect?
You feel protected.
You feel very mighty all of a sudden.
You fade into invisibility!
Edmund hits you but does no damage. [a] - 728 gold - haste, heal wounds, curing and magic [b] - 250 gold - haste [c] - 672 gold - resistance, might and haste Purchase which effect?
You feel protected.
You feel mightier all of a sudden.
You feel as though your hastened speed will last longer. [a] - 440 gold - haste and resistance [b] - 672 gold - haste, brilliance, resistance and invisibility [c] - 390 gold - heal wounds and haste Purchase which effect?
You feel as though your hastened speed will last longer.
You feel clever all of a sudden.
You feel protected.
You fade further into invisibility.
Edmund completely misses you. [a] - 336 gold - brilliance and magic [b] - 783 gold - haste, resistance, lignification and might [c] - 621 gold - might, brilliance, haste and enlightenment Purchase which effect?
You feel mightier all of a sudden.
You feel more clever all of a sudden.
You feel as though your hastened speed will last longer.
You feel more buoyant. Edmund misses you.
Casting: Chain Lightning (dangerous; 4% risk of failure)
Confirm with . or Enter, or press ? or * to list all spells.
You feel a huge surge of power!
Malign forces permeate your being, awaiting release.
Casting: Death Channel (mildly dangerous; 1% risk of failure)
Confirm with . or Enter, or press ? or * to list all spells.
Okay, then.
HP restored.
Edmund misses you.
You have escaped!

#########.#### ....#
##.##### ....#
#......# ....#
#.####.## ....# #.
#..######## ....# #.
##........# ....# ##
#........# ....#
#.@......# .####
#..z.....# .###
+.>......# ...#
########## .#.###
###..#
.....###########.$.>#
.#..#........#.>##..#
.#...........'####..#
....#........## ####
....#.####...#


You could see Edmund (unable to see you).

Vanquished Creatures
  Cerebov (Pan)
  Antaeus (Coc:7)
  Asmodeus (Geh:7)
  the Royal Jelly (Slime:5)
  Mnoleg (Pan)
  Gloorx Vloq (Pan)
  Lom Lobon (Pan)
  Ereshkigal (Tar:7)
  Ignacio (Pan)
  the Serpent of Hell (Dis:7)
  63 seraphim
  1993 dread liches
  Dispater (Dis:7)
  Mennas (Pan)
  556 orbs of fire
  1934 ancient liches
  Mara (Vaults:2)
  940 juggernauts
  The ghost of Mojoaz the Skullcrusher, a legendary GrFi of the Shining One (Zig:15)
  The ghost of Mojoaz the Skullcrusher, a legendary GrFi of the Shining One (Zig:15)
  The ghost of Mojoaz the Skullcrusher, a legendary GrFi of the Shining One (Zig:15)
  The ghost of Mojoaz the Skullcrusher, a legendary GrFi of the Shining One (Zig:15)
  The ghost of Mojoaz the Skullcrusher, a legendary GrFi of the Shining One (Zig:15)
  The ghost of Mojoaz the Skullcrusher, a legendary GrFi of the Shining One (Zig:15)
  The ghost of Mojoaz the Skullcrusher, a legendary GrFi of the Shining One (Zig:15)
  The ghost of Mojoaz the Skullcrusher, a legendary GrFi of the Shining One (Zig:15)
  The ghost of Mojoaz the Skullcrusher, a legendary GrFi of the Shining One (Zig:15)
  The ghost of Mojoaz the Skullcrusher, a legendary GrFi of the Shining One (Zig:15)
  The ghost of Mojoaz the Skullcrusher, a legendary GrFi of the Shining One (Zig:15)
  The ghost of Mojoaz the Skullcrusher, a legendary GrFi of the Shining One (Zig:15)
  The ghost of Mojoaz the Skullcrusher, a legendary GrFi of the Shining One (Zig:15)
  The ghost of Mojoaz the Skullcrusher, a legendary GrFi of the Shining One (Zig:15)
  The ghost of Mojoaz the Skullcrusher, a legendary GrFi of the Shining One (Zig:15)
  The ghost of Mojoaz the Skullcrusher, a legendary GrFi of the Shining One (Zig:15)
  The ghost of Mojoaz the Skullcrusher, a legendary GrFi of the Shining One (Zig:15)
  The ghost of Mojoaz the Skullcrusher, a legendary GrFi of the Shining One (Zig:15)
  The ghost of Mojoaz the Skullcrusher, a legendary GrFi of the Shining One (Zig:15)
  The ghost of Mojoaz the Skullcrusher, a legendary GrFi of the Shining One (Zig:15)
  The ghost of Mojoaz the Skullcrusher, a legendary GrFi of the Shining One (Zig:15)
  The ghost of Mojoaz the Skullcrusher, a legendary GrFi of the Shining One (Zig:15)
  The ghost of Mojoaz the Skullcrusher, a legendary GrFi of the Shining One (Zig:15)
  The ghost of Mojoaz the Skullcrusher, a legendary GrFi of the Shining One (Zig:15)
  The ghost of Mojoaz the Skullcrusher, a legendary GrFi of the Shining One (Zig:15)
  The ghost of Mojoaz the Skullcrusher, a legendary GrFi of the Shining One (Zig:15)
  The ghost of Mojoaz the Skullcrusher, a legendary GrFi of the Shining One (Zig:15)
  The ghost of Mojoaz the Skullcrusher, a legendary GrFi of the Shining One (Zig:15)
  The ghost of Mojoaz the Skullcrusher, a legendary GrFi of the Shining One (Zig:15)
  The ghost of Mojoaz the Skullcrusher, a legendary GrFi of the Shining One (Zig:7)
  The ghost of Mojoaz the Skullcrusher, a legendary GrFi of the Shining One (Zig:15)
  The ghost of Mojoaz the Skullcrusher, a legendary GrFi of the Shining One (Zig:6)
  The ghost of Mojoaz the Skullcrusher, a legendary GrFi of the Shining One (Zig:7)
  The ghost of Mojoaz the Skullcrusher, a legendary GrFi of the Shining One (Zig:7)
  The ghost of Mojoaz the Skullcrusher, a legendary GrFi of the Shining One (Zig:7)
  The ghost of Mojoaz the Skullcrusher, a legendary GrFi of the Shining One (Zig:7)
  The ghost of Mojoaz the Skullcrusher, a legendary GrFi of the Shining One (Zig:7)
  The ghost of Mojoaz the Skullcrusher, a legendary GrFi of the Shining One (Zig:7)
  The ghost of Mojoaz the Skullcrusher, a legendary GrFi of the Shining One (Zig:7)
  The ghost of Mojoaz the Skullcrusher, a legendary GrFi of the Shining One (Zig:7)
  The ghost of Mojoaz the Skullcrusher, a legendary GrFi of the Shining One (Zig:15)
  The ghost of Mojoaz the Skullcrusher, a legendary GrFi of the Shining One (Zig:15)
  The ghost of Mojoaz the Skullcrusher, a legendary GrFi of the Shining One (Zig:15)
  The ghost of Mojoaz the Skullcrusher, a legendary GrFi of the Shining One (Zig:15)
  The ghost of Mojoaz the Skullcrusher, a legendary GrFi of the Shining One (Zig:15)
  The ghost of Mojoaz the Skullcrusher, a legendary GrFi of the Shining One (Zig:15)
  The ghost of Mojoaz the Skullcrusher, a legendary GrFi of the Shining One (Zig:15)
  The ghost of Mojoaz the Skullcrusher, a legendary GrFi of the Shining One (Zig:15)
  The ghost of Mojoaz the Skullcrusher, a legendary GrFi of the Shining One (Zig:15)
  The ghost of Mojoaz the Skullcrusher, a legendary GrFi of the Shining One (Zig:15)
  The ghost of Mojoaz the Skullcrusher, a legendary GrFi of the Shining One (Zig:15)
  The ghost of Mojoaz the Skullcrusher, a legendary GrFi of the Shining One (Zig:15)
  The ghost of Mojoaz the Skullcrusher, a legendary GrFi of the Shining One (Zig:15)
  The ghost of Mojoaz the Skullcrusher, a legendary GrFi of the Shining One (Zig:15)
  The ghost of Mojoaz the Skullcrusher, a legendary GrFi of the Shining One (Zig:15)
  The ghost of Mojoaz the Skullcrusher, a legendary GrFi of the Shining One (Zig:15)
  The ghost of Mojoaz the Skullcrusher, a legendary GrFi of the Shining One (Zig:15)
  The ghost of Mojoaz the Skullcrusher, a legendary GrFi of the Shining One (Zig:15)
  The ghost of Mojoaz the Skullcrusher, a legendary GrFi of the Shining One (Zig:15)
  The ghost of Mojoaz the Skullcrusher, a legendary GrFi of the Shining One (Zig:15)
  The ghost of Mojoaz the Skullcrusher, a legendary GrFi of the Shining One (Zig:10)
  The ghost of Mojoaz the Skullcrusher, a legendary GrFi of the Shining One (Zig:10)
  The ghost of Mojoaz the Skullcrusher, a legendary GrFi of the Shining One (Zig:10)
  The ghost of Mojoaz the Skullcrusher, a legendary GrFi of the Shining One (Zig:10)
  The ghost of Mojoaz the Skullcrusher, a legendary GrFi of the Shining One (Zig:10)
  The ghost of Mojoaz the Skullcrusher, a legendary GrFi of the Shining One (Zig:10)
  The ghost of Mojoaz the Skullcrusher, a legendary GrFi of the Shining One (Zig:10)
  The ghost of Mojoaz the Skullcrusher, a legendary GrFi of the Shining One (Zig:10)
  The ghost of Mojoaz the Skullcrusher, a legendary GrFi of the Shining One (Zig:10)
  The ghost of Mojoaz the Skullcrusher, a legendary GrFi of the Shining One (Zig:10)
  The ghost of Mojoaz the Skullcrusher, a legendary GrFi of the Shining One (Zig:10)
  The ghost of Mojoaz the Skullcrusher, a legendary GrFi of the Shining One (Zig:10)
  The ghost of Mojoaz the Skullcrusher, a legendary GrFi of the Shining One (Zig:10)
  The ghost of Mojoaz the Skullcrusher, a legendary GrFi of the Shining One (Zig:10)
  The ghost of Mojoaz the Skullcrusher, a legendary GrFi of the Shining One (Zig:10)
  The ghost of Mojoaz the Skullcrusher, a legendary GrFi of the Shining One (Zig:10)
  The ghost of Mojoaz the Skullcrusher, a legendary GrFi of the Shining One (Zig:10)
  The ghost of Mojoaz the Skullcrusher, a legendary GrFi of the Shining One (Zig:6)
  The ghost of Mojoaz the Skullcrusher, a legendary GrFi of the Shining One (Zig:6)
  The ghost of Mojoaz the Skullcrusher, a legendary GrFi of the Shining One (Zig:6)
  The ghost of Mojoaz the Skullcrusher, a legendary GrFi of the Shining One (Zig:13)
  The ghost of Mojoaz the Skullcrusher, a legendary GrFi of the Shining One (Zig:13)
  The ghost of Mojoaz the Skullcrusher, a legendary GrFi of the Shining One (Zig:13)
  The ghost of Mojoaz the Skullcrusher, a legendary GrFi of the Shining One (Zig:13)
  The ghost of Mojoaz the Skullcrusher, a legendary GrFi of the Shining One (Zig:13)
  The ghost of Mojoaz the Skullcrusher, a legendary GrFi of the Shining One (Zig:13)
  The ghost of Mojoaz the Skullcrusher, a legendary GrFi of the Shining One (Zig:13)
  The ghost of Mojoaz the Skullcrusher, a legendary GrFi of the Shining One (Zig:13)
  The ghost of Mojoaz the Skullcrusher, a legendary GrFi of the Shining One (Zig:13)
  The ghost of Mojoaz the Skullcrusher, a legendary GrFi of the Shining One (Zig:13)
  The ghost of Mojoaz the Skullcrusher, a legendary GrFi of the Shining One (Zig:10)
  The ghost of Mojoaz the Skullcrusher, a legendary GrFi of the Shining One (Zig:15)
  The ghost of Mojoaz the Skullcrusher, a legendary GrFi of the Shining One (Zig:15)
  The ghost of Mojoaz the Skullcrusher, a legendary GrFi of the Shining One (Zig:15)
  The ghost of Mojoaz the Skullcrusher, a legendary GrFi of the Shining One (Zig:15)
  The ghost of Mojoaz the Skullcrusher, a legendary GrFi of the Shining One (Zig:15)
  The ghost of Mojoaz the Skullcrusher, a legendary GrFi of the Shining One (Zig:15)
  The ghost of Mojoaz the Skullcrusher, a legendary GrFi of the Shining One (Zig:15)
  The ghost of Mojoaz the Skullcrusher, a legendary GrFi of the Shining One (Zig:15)
  The ghost of Mojoaz the Skullcrusher, a legendary GrFi of the Shining One (Zig:15)
  The ghost of Mojoaz the Skullcrusher, a legendary GrFi of the Shining One (Zig:15)
  The ghost of Mojoaz the Skullcrusher, a legendary GrFi of the Shining One (Zig:15)
  The ghost of Mojoaz the Skullcrusher, a legendary GrFi of the Shining One (Zig:10)
  The ghost of Mojoaz the Skullcrusher, a legendary GrFi of the Shining One (Zig:10)
  The ghost of Mojoaz the Skullcrusher, a legendary GrFi of the Shining One (Zig:10)
  The ghost of Mojoaz the Skullcrusher, a legendary GrFi of the Shining One (Zig:15)
  The ghost of Mojoaz the Skullcrusher, a legendary GrFi of the Shining One (Zig:10)
  The ghost of Mojoaz the Skullcrusher, a legendary GrFi of the Shining One (Zig:10)
  The ghost of Mojoaz the Skullcrusher, a legendary GrFi of the Shining One (Zig:10)
  The ghost of Mojoaz the Skullcrusher, a legendary GrFi of the Shining One (Zig:10)
  The ghost of Mojoaz the Skullcrusher, a legendary GrFi of the Shining One (Zig:10)
  The ghost of Mojoaz the Skullcrusher, a legendary GrFi of the Shining One (Zig:10)
  The ghost of Mojoaz the Skullcrusher, a legendary GrFi of the Shining One (Zig:10)
  The ghost of Mojoaz the Skullcrusher, a legendary GrFi of the Shining One (Zig:10)
  The ghost of Mojoaz the Skullcrusher, a legendary GrFi of the Shining One (Zig:10)
  The ghost of Mojoaz the Skullcrusher, a legendary GrFi of the Shining One (Zig:10)
  The ghost of Mojoaz the Skullcrusher, a legendary GrFi of the Shining One (Zig:10)
  The ghost of Mojoaz the Skullcrusher, a legendary GrFi of the Shining One (Zig:10)
  The ghost of Mojoaz the Skullcrusher, a legendary GrFi of the Shining One (Zig:10)
  The ghost of Mojoaz the Skullcrusher, a legendary GrFi of the Shining One (Zig:13)
  The ghost of Mojoaz the Skullcrusher, a legendary GrFi of the Shining One (Zig:13)
  The ghost of Mojoaz the Skullcrusher, a legendary GrFi of the Shining One (Zig:13)
  The ghost of Mojoaz the Skullcrusher, a legendary GrFi of the Shining One (Zig:13)
  The ghost of Mojoaz the Skullcrusher, a legendary GrFi of the Shining One (Zig:13)
  The ghost of Mojoaz the Skullcrusher, a legendary GrFi of the Shining One (Zig:13)
  The ghost of Mojoaz the Skullcrusher, a legendary GrFi of the Shining One (Zig:13)
  The ghost of Mojoaz the Skullcrusher, a legendary GrFi of the Shining One (Zig:13)
  The ghost of Mojoaz the Skullcrusher, a legendary GrFi of the Shining One (Zig:13)
  The ghost of Mojoaz the Skullcrusher, a legendary GrFi of the Shining One (Zig:13)
  The ghost of Mojoaz the Skullcrusher, a legendary GrFi of the Shining One (Zig:13)
  The ghost of Mojoaz the Skullcrusher, a legendary GrFi of the Shining One (Zig:6)
  The ghost of Mojoaz the Skullcrusher, a legendary GrFi of the Shining One (Zig:6)
  The ghost of Mojoaz the Skullcrusher, a legendary GrFi of the Shining One (Zig:6)
  The ghost of Mojoaz the Skullcrusher, a legendary GrFi of the Shining One (Zig:6)
  The ghost of Mojoaz the Skullcrusher, a legendary GrFi of the Shining One (Zig:6)
  The ghost of Mojoaz the Skullcrusher, a legendary GrFi of the Shining One (Zig:6)
  The ghost of Mojoaz the Skullcrusher, a legendary GrFi of the Shining One (Zig:6)
  The ghost of Mojoaz the Skullcrusher, a legendary GrFi of the Shining One (Zig:13)
  The ghost of Mojoaz the Skullcrusher, a legendary GrFi of the Shining One (Zig:13)
  The ghost of Mojoaz the Skullcrusher, a legendary GrFi of the Shining One (Zig:13)
  The ghost of Mojoaz the Skullcrusher, a legendary GrFi of the Shining One (Zig:13)
  The ghost of Mojoaz the Skullcrusher, a legendary GrFi of the Shining One (Zig:13)
  The ghost of Mojoaz the Skullcrusher, a legendary GrFi of the Shining One (Zig:13)
  The ghost of Mojoaz the Skullcrusher, a legendary GrFi of the Shining One (Zig:13)
  The ghost of Mojoaz the Skullcrusher, a legendary GrFi of the Shining One (Zig:13)
  The ghost of Mojoaz the Skullcrusher, a legendary GrFi of the Shining One (Zig:13)
  The ghost of Mojoaz the Skullcrusher, a legendary GrFi of the Shining One (Zig:6)
  The ghost of Mojoaz the Skullcrusher, a legendary GrFi of the Shining One (Zig:13)
  The ghost of Mojoaz the Skullcrusher, a legendary GrFi of the Shining One (Zig:13)
  The ghost of Mojoaz the Skullcrusher, a legendary GrFi of the Shining One (Zig:13)
  The ghost of Mojoaz the Skullcrusher, a legendary GrFi of the Shining One (Zig:13)
  The ghost of Mojoaz the Skullcrusher, a legendary GrFi of the Shining One (Zig:13)
  The ghost of Mojoaz the Skullcrusher, a legendary GrFi of the Shining One (Zig:13)
  The ghost of Mojoaz the Skullcrusher, a legendary GrFi of the Shining One (Zig:13)
  The ghost of Mojoaz the Skullcrusher, a legendary GrFi of the Shining One (Zig:13)
  The ghost of Mojoaz the Skullcrusher, a legendary GrFi of the Shining One (Zig:6)
  The ghost of Mojoaz the Skullcrusher, a legendary GrFi of the Shining One (Zig:6)
  The ghost of Mojoaz the Skullcrusher, a legendary GrFi of the Shining One (Zig:6)
  The ghost of Mojoaz the Skullcrusher, a legendary GrFi of the Shining One (Zig:6)
  The ghost of Mojoaz the Skullcrusher, a legendary GrFi of the Shining One (Zig:6)
  The ghost of Mojoaz the Skullcrusher, a legendary GrFi of the Shining One (Zig:6)
  The ghost of Mojoaz the Skullcrusher, a legendary GrFi of the Shining One (Zig:6)
  The ghost of Mojoaz the Skullcrusher, a legendary GrFi of the Shining One (Zig:6)
  The ghost of Mojoaz the Skullcrusher, a legendary GrFi of the Shining One (Zig:6)
  The ghost of Mojoaz the Skullcrusher, a legendary GrFi of the Shining One (Zig:6)
  The ghost of Mojoaz the Skullcrusher, a legendary GrFi of the Shining One (Zig:6)
  The ghost of Mojoaz the Skullcrusher, a legendary GrFi of the Shining One (Zig:6)
  The ghost of Mojoaz the Skullcrusher, a legendary GrFi of the Shining One (Zig:6)
  The ghost of Mojoaz the Skullcrusher, a legendary GrFi of the Shining One (Zig:6)
  The ghost of Mojoaz the Skullcrusher, a legendary GrFi of the Shining One (Zig:6)
  The ghost of Mojoaz the Skullcrusher, a legendary GrFi of the Shining One (Zig:6)
  The ghost of Mojoaz the Skullcrusher, a legendary GrFi of the Shining One (Zig:6)
  The ghost of Mojoaz the Skullcrusher, a legendary GrFi of the Shining One (Zig:6)
  The ghost of Mojoaz the Skullcrusher, a legendary GrFi of the Shining One (Zig:6)
  The ghost of Mojoaz the Skullcrusher, a legendary GrFi of the Shining One (Zig:6)
  The ghost of Mojoaz the Skullcrusher, a legendary GrFi of the Shining One (Zig:6)
  The ghost of Mojoaz the Skullcrusher, a legendary GrFi of the Shining One (Zig:6)
  The ghost of Mojoaz the Skullcrusher, a legendary GrFi of the Shining One (Zig:6)
  The ghost of Mojoaz the Skullcrusher, a legendary GrFi of the Shining One (Zig:6)
  The ghost of Mojoaz the Skullcrusher, a legendary GrFi of the Shining One (Zig:6)
  The ghost of Mojoaz the Skullcrusher, a legendary GrFi of the Shining One (Zig:6)
  The ghost of Mojoaz the Skullcrusher, a legendary GrFi of the Shining One (Zig:6)
  The ghost of Mojoaz the Skullcrusher, a legendary GrFi of the Shining One (Zig:7)
  The ghost of Mojoaz the Skullcrusher, a legendary GrFi of the Shining One (Zig:6)
  The ghost of Mojoaz the Skullcrusher, a legendary GrFi of the Shining One (Zig:6)
  The ghost of Mojoaz the Skullcrusher, a legendary GrFi of the Shining One (Zig:6)
  The ghost of Mojoaz the Skullcrusher, a legendary GrFi of the Shining One (Zig:6)
  The ghost of Mojoaz the Skullcrusher, a legendary GrFi of the Shining One (Zig:6)
  The ghost of Mojoaz the Skullcrusher, a legendary GrFi of the Shining One (Zig:6)
  The ghost of Mojoaz the Skullcrusher, a legendary GrFi of the Shining One (Zig:6)
  The ghost of Mojoaz the Skullcrusher, a legendary GrFi of the Shining One (Zig:13)
  The ghost of Mojoaz the Skullcrusher, a legendary GrFi of the Shining One (Zig:13)
  The ghost of Mojoaz the Skullcrusher, a legendary GrFi of the Shining One (Zig:13)
  The ghost of Mojoaz the Skullcrusher, a legendary GrFi of the Shining One (Zig:7)
  The ghost of Mojoaz the Skullcrusher, a legendary GrFi of the Shining One (Zig:7)
  The ghost of Mojoaz the Skullcrusher, a legendary GrFi of the Shining One (Zig:7)
  The ghost of Mojoaz the Skullcrusher, a legendary GrFi of the Shining One (Zig:13)
  The ghost of Mojoaz the Skullcrusher, a legendary GrFi of the Shining One (Zig:13)
  The ghost of Mojoaz the Skullcrusher, a legendary GrFi of the Shining One (Zig:7)
  The ghost of Mojoaz the Skullcrusher, a legendary GrFi of the Shining One (Zig:7)
  The ghost of Mojoaz the Skullcrusher, a legendary GrFi of the Shining One (Zig:13)
  The ghost of Mojoaz the Skullcrusher, a legendary GrFi of the Shining One (Zig:13)
  The ghost of Mojoaz the Skullcrusher, a legendary GrFi of the Shining One (Zig:13)
  The ghost of Mojoaz the Skullcrusher, a legendary GrFi of the Shining One (Zig:13)
  The ghost of Mojoaz the Skullcrusher, a legendary GrFi of the Shining One (Zig:7)
  The ghost of Mojoaz the Skullcrusher, a legendary GrFi of the Shining One (Zig:7)
  The ghost of Mojoaz the Skullcrusher, a legendary GrFi of the Shining One (Zig:7)
  The ghost of Mojoaz the Skullcrusher, a legendary GrFi of the Shining One (Zig:7)
  The ghost of Mojoaz the Skullcrusher, a legendary GrFi of the Shining One (Zig:13)
  The ghost of Mojoaz the Skullcrusher, a legendary GrFi of the Shining One (Zig:13)
  The ghost of Mojoaz the Skullcrusher, a legendary GrFi of the Shining One (Zig:13)
  The ghost of Mojoaz the Skullcrusher, a legendary GrFi of the Shining One (Zig:13)
  The ghost of Mojoaz the Skullcrusher, a legendary GrFi of the Shining One (Zig:13)
  The ghost of Mojoaz the Skullcrusher, a legendary GrFi of the Shining One (Zig:13)
  The ghost of Mojoaz the Skullcrusher, a legendary GrFi of the Shining One (Zig:7)
  The ghost of Mojoaz the Skullcrusher, a legendary GrFi of the Shining One (Zig:13)
  The ghost of Mojoaz the Skullcrusher, a legendary GrFi of the Shining One (Zig:13)
  The ghost of Mojoaz the Skullcrusher, a legendary GrFi of the Shining One (Zig:13)
  The ghost of Mojoaz the Skullcrusher, a legendary GrFi of the Shining One (Zig:7)
  The ghost of Mojoaz the Skullcrusher, a legendary GrFi of the Shining One (Zig:13)
  The ghost of Mojoaz the Skullcrusher, a legendary GrFi of the Shining One (Zig:7)
  The ghost of Mojoaz the Skullcrusher, a legendary GrFi of the Shining One (Zig:13)
  The ghost of Mojoaz the Skullcrusher, a legendary GrFi of the Shining One (Zig:13)
  The ghost of Mojoaz the Skullcrusher, a legendary GrFi of the Shining One (Zig:13)
  The ghost of Mojoaz the Skullcrusher, a legendary GrFi of the Shining One (Zig:13)
  The ghost of Mojoaz the Skullcrusher, a legendary GrFi of the Shining One (Zig:7)
  The ghost of Mojoaz the Skullcrusher, a legendary GrFi of the Shining One (Zig:13)
  The ghost of Mojoaz the Skullcrusher, a legendary GrFi of the Shining One (Zig:7)
  The ghost of Mojoaz the Skullcrusher, a legendary GrFi of the Shining One (Zig:13)
  The ghost of Mojoaz the Skullcrusher, a legendary GrFi of the Shining One (Zig:13)
  The ghost of Mojoaz the Skullcrusher, a legendary GrFi of the Shining One (Zig:13)
  The ghost of Mojoaz the Skullcrusher, a legendary GrFi of the Shining One (Zig:13)
  The ghost of Mojoaz the Skullcrusher, a legendary GrFi of the Shining One (Zig:13)
  The ghost of Mojoaz the Skullcrusher, a legendary GrFi of the Shining One (Zig:13)
  The ghost of Mojoaz the Skullcrusher, a legendary GrFi of the Shining One (Zig:13)
  The ghost of Mojoaz the Skullcrusher, a legendary GrFi of the Shining One (Zig:13)
  The ghost of Mojoaz the Skullcrusher, a legendary GrFi of the Shining One (Zig:13)
  1254 royal mummies
  967 Killer Klowns
  605 shard shrikes
  1364 caustic shrikes
  42 curse toes
  Nikola (Shoals:1)
  5 caustic shrikes (shapeshifter)
  5 golden dragons (shapeshifter)
  Geryon (Hell)
  1722 golden dragons
  222 pearl dragons
  113 profane servitors
  455 electric golems
  711 bone dragons
  638 Tzitzimimeh
  1193 Brimstone Fiends
  3513 pandemonium lords
  294 doom hounds
  1922 hellephants
  4 walking crystal tomes
  2 iron giants (shapeshifter)
  745 iron giants
  2406 tentacled monstrosities
  3 walking earthen tomes
  1655 Hell Sentinels
  245 tainted leviathans
  Grunn (Zot:2)
  Asterion (Vaults:1)
  1263 Ice Fiends
  6 walking divine tomes
  743 deep elf master archers
  1074 liches
  655 deep elf blademasters
  833 searing wretches
  445 sphinxes
  29 Orb Guardians
  134 walking frostbound tomes
  701 quicksilver dragons
  2140 titans
  63 quicksilver dragons (shapeshifter)
  45 sphinxes (shapeshifter)
  4239 acid blobs
  411 tentacled starspawn
  2 acid blobs (shapeshifter) (Zig:18)
  799 ancient champions
  683 Executioners
  11 death cobs
  Polyphemus (Shoals:3)
  26 eldritch tentacles
  4 krakens
  19 shadow dragons (shapeshifter)
  Frances (Snake:1)
  The ghost of Goqemeh the Executioner, an adept MiBe of Trog (Elf:1)
  Aizul (Snake:4)
  481 tengu reavers
  647 storm dragons
  70 thorn hunters
  1594 revenants
  168 shadow dragons
  824 draconian monks
  2 rockslimes (shapeshifter)
  13 storm dragons (shapeshifter)
  234 daevas
  3403 nagarajas
  252 fire giants
  452 rockslimes
  54 fenstrider witches (shapeshifter)
  409 frost giants
  790 protean progenitors
  632 demonspawn warmongers
  695 azure jellies
  866 fenstrider witches
  444 iron dragons
  489 narguns
  25 azure jellies (shapeshifter)
  55 fire giants (shapeshifter)
  1279 draconian knights
  44 caustic shrike zombies
  8 iron dragons (shapeshifter)
  272 vault wardens
  1503 emperor scorpions
  420 deep elf sorcerers
  3 ghost moths (shapeshifter)
  1504 draconian scorchers
  44 deep elf elementalists
  9 emperor scorpions (shapeshifter)
  10 spectral juggernauts
  533 quicksilver elementals
  40 frost giants (shapeshifter)
  4 shard shrike simulacra
  2 imperial myrmidons (Desolation)
  1668 balrugs
  3618 ghost moths
  845 draconian stormcallers
  567 cacodemons
  115 angels
  17 spectral caustic shrikes
  54 juggernaut zombies
  810 draconian shifters
  1419 draconian annihilators
  1563 orc warlords
  167 ghouls
  1165 curse skulls
  7 broodmothers (shapeshifter)
  694 reapers
  584 quicksilver oozes
  38 formless jellyfish (shapeshifter)
  749 stone giants
  172 broodmothers
  72 caustic shrike skeletons
  140 formless jellyfish
  4 very ugly things (shapeshifter)
  977 demonspawn blood saints
  161 ironbound preservers
  1453 demonspawn corrupters
  2 quicksilver oozes (shapeshifter)
  58 stone giants (shapeshifter)
  105 ophanim
  443 very ugly things
  52 juggernaut skeletons
  542 vampire knights
  399 deep elf demonologists
  A yellow draconian (shapeshifter) (Zig:22)
  3 black draconians (shapeshifter)
  345 green draconians
  197 eleionomae
  16 elemental wellsprings
  329 black draconians
  12 spectral titans
  499 bennus
  22 dire elephants (shapeshifter)
  59 eleionomae (shapeshifter)
  6 ironbound thunderhulks
  95 apis
  221 bunyips
  409 deep elf death magi
  5 minotaurs
  2 purple draconians (shapeshifter) (Zig:27)
  438 dire elephants
  A green draconian (shapeshifter) (Zig:23)
  692 deep elf annihilators
  7 minotaurs (shapeshifter)
  666 demonspawn black suns
  7 spark wasps (shapeshifter)
  458 lorocyprocas
  A halazid warlock (Desolation)
  281 putrid mouths
  621 spark wasps
  287 war gargoyles
  7 shapeshifters
  318 yellow draconians
  284 red draconians
  491 wendigos
  341 white draconians
  6 bunyips (shapeshifter)
  341 purple draconians
  601 iron golems
  602 eidola
  7 ettins (shapeshifter)
  627 blizzard demons
  6 spectral quicksilver dragons
  Snorg (Lair:5)
  123 crystal guardians
  125 jiangshi
  3 elf zombies (Crypt:2)
  Josephine (D:15)
  299 ettins
  3 fire dragons (shapeshifter)
  145 merfolk impalers
  2101 shambling mangroves
  7 entropy weavers (shapeshifter)
  265 merfolk javelineers
  949 mummy priests
  24 quicksilver dragon zombies
  253 yaktaur captains
  9 spectral golden dragons
  6 ragged hierophants (Desolation)
  1683 entropy weavers
  62 fire dragons
  1481 green deaths
  762 deep elf high priests
  11 great orbs of eyes (shapeshifter)
  189 great orbs of eyes
  A fenstrider witch zombie (Crypt:2)
  7 hydras (shapeshifter)
  13 spectral tengu
  363 hydras
  2247 salamander tyrants
  8 spectral spriggans
  397 hell beasts
  5 ice dragons (shapeshifter)
  885 spriggan air magi
  48 caustic shrike simulacra
  26 quicksilver dragon skeletons
  63 vault guards
  10 peacekeepers
  244 radroaches
  34 rakshasas
  75 ice dragons
  6 jorogumos (shapeshifter)
  20 servants of whispers
  7 alligators (shapeshifter)
  339 anacondas
  8 spectral sphinxes
  17 catoblepae (shapeshifter)
  11 centaur warriors
  41 juggernaut simulacra
  7 spectral shadow dragons
  14 ironbound frosthearts
  39 sphinx zombies
  201 alligators
  142 ghost crabs
  888 catoblepae
  10 anacondas (shapeshifter)
  162 jorogumos
  85 two-headed ogres
  36 alligator snapping turtles
  111 ogre magi
  171 boulder beetles
  6 death knights
  2 fenstrider witch skeletons (Crypt:2)
  1289 merfolk aquamancers
  6 satyrs (shapeshifter)
  4 boulder beetles (shapeshifter)
  35 merfolk avatars
  94 stokers
  49 alligator snapping turtles (shapeshifter)
  4 deep troll shamans
  8 radroaches (shapeshifter)
  5 death yaks (shapeshifter)
  400 naga warriors
  1001 dancing weapons
  4 tengu warriors
  242 hell hogs
  76 satyrs
  33 two-headed ogres (shapeshifter)
  49 sphinx skeletons
  14 spectral storm dragons
  66 death yaks
  489 death scarabs
  45 deep troll earth magi
  A spectral stone giant (Zig:5)
  45 titan zombies
  609 vampire magi
  18 spriggan berserkers
  430 demonic crawlers
  616 naga sharpshooters
  2 spectral dire elephants
  An emperor scorpion zombie (Crypt:2)
  1625 orc high priests
  478 soul eaters
  39 shock serpents (shapeshifter)
  455 thrashing horrors
  56 occultists
  319 sun demons
  136 spriggans
  Nergalle (Lair:3)
  894 shock serpents
  382 crystal echidnas
  653 deep elf knights
  2 hellephant skeletons (Pan)
  Sonja (Orc:1)
  139 salamander mystics
  3 spectral emperor scorpions (Pan)
  504 skysharks
  1285 wretched stars
  156 hell knights
  5 fire crabs (shapeshifter)
  292 shadow wraiths
  39 storm dragon zombies
  84 titan skeletons
  386 pharaoh ants
  115 spatial maelstroms
  40 skeletal warriors
  173 goliath frogs
  49 sea snakes (shapeshifter)
  37 death drakes
  111 cherubim
  12 spark wasp zombies
  50 storm dragon skeletons
  233 iron trolls
  4 goliath frogs (shapeshifter)
  99 fire crabs
  225 orb spiders
  34 deep trolls (shapeshifter)
  54 iron trolls (shapeshifter)
  9 quicksilver dragon simulacra
  308 sixfirhies
  154 sea snakes
  41 skysharks (shapeshifter)
  60 sun moths
  26 spriggan simulacra
  57 golden dragon skeletons
  2 spectral iron dragons (Zig:25)
  84 bog bodies
  59 golden dragon zombies
  A kraken simulacrum (Zig:26)
  265 naga ritualists
  49 mana vipers (shapeshifter)
  384 shadow demons
  12 sun moths (shapeshifter)
  42 glowing orange brains (shapeshifter)
  366 flayed ghosts
  88 deep trolls
  42 orb spiders (shapeshifter)
  253 swamp dragons
  16 harpies (shapeshifter)
  22 death drakes (shapeshifter)
  51 obsidian statues
  60 orange crystal statues
  832 large abominations
  19 swamp dragons (shapeshifter)
  45 arcanists
  57 tengu zombies
  591 deep elf archers
  21 lindwurms (shapeshifter)
  Pikel (D:7)
  An iron giant zombie (Crypt:2)
  1037 spriggan druids
  249 mana vipers
  368 phantasmal warriors
  319 steelbarb worms
  44 shadow dragon zombies
  142 ironbound convokers
  873 deep elf zephyrmancers
  25 lightning spires
  21 lindwurms
  157 glowing orange brains
  148 necromancers
  1895 starcursed masses
  36 steelbarb worms (shapeshifter)
  132 oklob plants
  72 harpies
  589 orc sorcerers
  A goliath frog skeleton (Crypt:1)
  16 sphinx simulacra
  311 orc knights
  7 glowing shapeshifters
  An alligator zombie (Tomb:3)
  28 shining eyes (shapeshifter)
  42 iron dragon zombies
  924 deep elf pyromancers
  8 salamanders (shapeshifter)
  9 fire giant zombies
  365 shining eyes
  69 shadow dragon skeletons
  307 will-o-the-wisps
  54 fauns
  38 fauns (shapeshifter)
  15 wolf spiders (shapeshifter)
  88 ugly things
  15 frost giant zombies
  59 iron dragon skeletons
  118 cyclopes
  4 stone giant zombies
  22 cyclopes (shapeshifter)
  155 manticores
  1353 moths of wrath
  6 ugly things (shapeshifter)
  43 worldbinders
  15 manticores (shapeshifter)
  118 salamanders
  Maurice (D:11)
  487 wolf spiders
  A spectral alligator snapping turtle (Crypt:3)
  91 tengu skeletons
  121 rust devils
  24 moths of wrath (shapeshifter)
  13 meliai (shapeshifter)
  82 meliai
  96 merfolk sirens
  2 toenail golems
  11 black mambas (shapeshifter)
  305 kobold blastminers
  12 fire giant skeletons
  6 human skeletons
  286 orange demons
  138 vault sentinels
  666 guardian serpents
  7 stone giant skeletons
  A centaur zombie (Crypt:2)
  582 smoke demons
  4 dire elephant zombies
  2486 water nymphs
  25 elephants (shapeshifter)
  740 naga magi
  15 guardian serpents (shapeshifter)
  503 apocalypse crabs
  189 eyes of devastation
  32 titan simulacra
  55 ice statues
  13 frost giant skeletons
  41 water nymphs (shapeshifter)
  41 eyes of devastation (shapeshifter)
  15 molten gargoyles
  54 elephants
  37 torpor snails (shapeshifter)
  1375 black mambas
  2016 torpor snails
  205 cane toads
  Jeremiah (D:7)
  997 hellions
  9 spectral swamp worms (Tar:7)
  14 storm dragon simulacra
  36 gargoyles
  10 unseen horrors (shapeshifter)
  7 rime drakes (shapeshifter)
  10 cane toads (shapeshifter)
  13 komodo dragons (shapeshifter)
  4 spark wasp simulacra
  79 rime drakes
  A dire elephant skeleton (Tomb:1)
  91 freezing wraiths
  41 yaktaurs
  11 yaktaurs (shapeshifter)
  A kobold demonologist (D:10)
  115 ice devils
  93 efreet
  776 tormentors
  2 anaconda simulacra
  156 komodo dragons
  3 tengu conjurers
  An iron giant simulacrum (Coc:6)
  26 golden dragon simulacra
  1556 guardian mummies
  10 spectral glowing shapeshifters
  An elf skeleton (Vaults:3)
  436 ancient zymes
  153 silent spectres
  A spectral harpy (Tar:7)
  243 merfolk
  10 queen bees (shapeshifter)
  166 red devils
  7 polar bears (shapeshifter)
  36 merfolk (shapeshifter)
  303 trolls
  8 wind drakes (shapeshifter)
  2 harpy zombies
  2 queen bees
  163 tyrant leeches
  57 bloated husks
  267 hellwings
  17 tengu simulacra
  41 polar bears
  8 trolls (shapeshifter)
  8 tyrant leeches (shapeshifter)
  344 tarantellas
  11 tarantellas (shapeshifter)
  6 ettin zombies
  124 wind drakes
  5 hornets (shapeshifter)
  15 shadow dragon simulacra
  Grinder (D:5)
  3 harpy skeletons
  2932 hornets
  330 raiju
  19 glass eyes (shapeshifter)
  11 raiju (shapeshifter)
  474 glass eyes
  56 saltlings (Desolation)
  A sun moth zombie (Crypt:2)
  130 snapping turtles
  17 iron dragon simulacra
  4 frost giant simulacra
  20 dream sheep (shapeshifter)
  A deep troll zombie (Vaults:3)
  71 blink frogs
  6 fire giant simulacra
  2 blink frogs (shapeshifter)
  67 spriggan zombies
  44 dream sheep
  2 stone giant simulacra
  283 jumping spiders
  40 snapping turtles (shapeshifter)
  380 air elementals
  254 culicivoras
  1215 slime creatures
  10 spriggans (shapeshifter)
  8 jumping spiders (shapeshifter)
  7 slime creatures (shapeshifter)
  73 spriggan skeletons
  2 centaur simulacra (Gauntlet)
  7 vampires
  333 water elementals
  10 shadows
  2 dire elephant simulacra
  8 yaks (shapeshifter)
  11 culicivoras (shapeshifter)
  2 wyverns (shapeshifter)
  A fire bat (Depths:4)
  394 ynoxinuls
  7 ettin skeletons
  5 hogs (shapeshifter)
  A naga simulacrum (Coc:7)
  155 yaks
  47 wyverns
  76 fire elementals
  32 wraiths
  4 humans (shapeshifter)
  38 basilisks
  2 fire bats (shapeshifter)
  198 golden eyes
  336 wargs
  A warg (shapeshifter) (Zig:19)
  2 hogs (Zig:25)
  A human (Zig:23)
  677 ushabtiu
  411 neqoxecs
  6 golden eyes (shapeshifter)
  18 redbacks (shapeshifter)
  7 basilisks (shapeshifter)
  423 redbacks
  24 steam dragons
  34 vampire mosquitoes
  62 glowing shapeshifter zombies
  472 nagas
  6 harpy simulacra
  9 swamp worms
  6 spatial vortices
  330 chaos spawn
  3 human zombies
  3 nagas (shapeshifter)
  42 swamp worms (shapeshifter)
  An acid dragon (shapeshifter) (Zig:15)
  26 acid dragons
  2 water moccasins (shapeshifter) (Zig:5)
  2 hydra simulacra
  224 water moccasins
  44 hell hounds
  62 glowing shapeshifter skeletons
  3 ice beasts
  4 black bears (shapeshifter)
  A sky beast (shapeshifter) (Zig:19)
  22 swamp drakes
  1678 orc warriors
  2 sky beasts
  2 ice beasts (shapeshifter)
  A boggart (Vaults:1)
  746 ogres
  35 small abominations
  2 tengu (shapeshifter)
  131 laughing skulls
  4 ogres (shapeshifter)
  3 tengu (Zig:23)
  3 black bears
  An ettin simulacrum (Coc:6)
  22 centaurs
  4 centaurs (shapeshifter)
  A wolf (shapeshifter) (Zig:9)
  A crocodile (shapeshifter) (Zig:25)
  44 wolves
  A lemure (Zig:19)
  6 brain worms (shapeshifter)
  5 weeping skulls (Abyss:6)
  A bullfrog (shapeshifter) (Zig:5)
  3 kobold brigands
  26 bullfrogs
  145 earth elementals
  An ogre simulacrum (Vaults:3)
  13 glowing shapeshifter simulacra
  8 necrophages
  A scorpion (D:5)
  3 scorpions (shapeshifter)
  4 burial acolytes (Crypt:3)
  A shapeshifter zombie (Crypt:1)
  23 wights
  A polar bear zombie (Crypt:2)
  6 killer bees (D:7)
  5 electric eels
  4 howler monkeys
  A lava snake (D:14)
  A bombardier beetle (D:3)
  A cerulean imp (Zig:21)
  11 crimson imps
  3 human simulacra
  3 hounds
  A jelly (shapeshifter) (Zig:5)
  A jelly (D:4)
  227 orc priests
  A basilisk skeleton (Crypt:1)
  An iron imp (Abyss:2)
  A sleepcap (D:5)
  5 iguanas
  234 orc wizards
  42 hell rats
  A statue (D:5)
  A naga zombie (Crypt:2)
  A crocodile zombie (Crypt:1)
  A deep dwarf skeleton (Crypt:2)
  2685 mummies
  14 gnolls
  An adder (shapeshifter) (Zig:14)
  4 adders
  8 river rats
  A shadow imp (D:8)
  3 white imps
  2 ufetubi (D:5)
  2 ribbon worms
  2 dart slugs
  A ribbon worm (shapeshifter) (Zig:23)
  77 orcs
  2 bats (D:3)
  2 endoplasms (D:4)
  A giant cockroach (D:3)
  7 goblins
  2 hobgoblins
  3 jackals (D:3)
  2 quokkas
  3 ball pythons
  A frilled lizard (D:1)
  A gnoll zombie (Crypt:1)
  A hobgoblin skeleton (Crypt:2)
  22 kobolds
  5 rats
  1305 aspiring fleshes
  7 ball lightnings
  6 butterflies
  2 creeping infernos
  36 fire vortices
  4 lurking horrors
  10 spectral weapons
  59 starspawn tentacles
  6 tentacles
166867 creatures vanquished.

Vanquished Creatures (collateral kills)
  2 seraphim (Zig:18)
  126 dread liches
  144 ancient liches
  2 orbs of fire
  153 juggernauts
  22 royal mummies
  39 shard shrikes
  2 Killer Klowns
  304 caustic shrikes
  17 curse toes
  555 golden dragons
  7 profane servitors
  96 bone dragons
  2 pearl dragons
  55 iron giants
  117 Brimstone Fiends
  14 doom hounds
  130 electric golems
  137 hellephants
  47 Tzitzimimeh
  65 Hell Sentinels
  10 tainted leviathans
  911 tentacled monstrosities
  5 liches
  27 searing wretches
  19 deep elf blademasters
  48 Ice Fiends
  6 deep elf master archers
  2 walking frostbound tomes
  300 acid blobs
  29 pandemonium lords
  39 sphinxes
  24 quicksilver dragons
  17 Executioners
  2 ancient champions
  3 tentacled starspawn
  114 titans
  2 thorn hunters
  23 draconian monks
  8 shadow dragons
  19 tengu reavers
  34 storm dragons
  19 azure jellies
  85 nagarajas
  Donald (Shoals:4)
  30 fenstrider witches
  13 demonspawn warmongers
  6 protean progenitors
  5 daevas
  A revenant (Zig:26)
  58 draconian knights
  88 fire giants
  14 narguns
  A fire giant (shapeshifter) (Zig:23)
  29 frost giants
  101 emperor scorpions
  659 rockslimes
  4 vault wardens
  22 iron dragons
  7 quicksilver elementals
  20 draconian shifters
  6 deep elf sorcerers
  2 juggernaut zombies
  93 ghost moths
  2 curse skulls
  3 caustic shrike zombies
  83 draconian scorchers
  122 orc warlords
  138 balrugs
  5 reapers
  18 broodmothers
  13 demonspawn corrupters
  11 ironbound preservers
  32 cacodemons
  4 ghouls
  An angel (Zig:24)
  A caustic shrike skeleton (Zig:23)
  26 draconian annihilators
  55 demonspawn blood saints
  28 quicksilver oozes
  10 green draconians
  27 stone giants
  A juggernaut skeleton (Zig:23)
  18 draconian stormcallers
  10 very ugly things
  An ophan (Zig:24)
  50 dire elephants
  3 eleionomae
  15 black draconians
  17 formless jellyfish
  14 putrid mouths
  A spectral titan (Zig:25)
  5 deep elf demonologists
  9 purple draconians
  10 white draconians
  8 deep elf annihilators
  A deep elf death mage (Zig:17)
  An eleionoma (shapeshifter) (Zig:16)
  A vampire knight (Zig:23)
  15 yellow draconians
  41 bennus
  46 red draconians
  10 demonspawn black suns
  4 wendigos
  6 bunyips
  6 iron golems
  9 eidola
  8 war gargoyles
  7 lorocyprocas
  24 spark wasps
  A fire dragon (shapeshifter) (Zig:16)
  A crystal guardian (Zig:14)
  9 ettins
  31 green deaths
  28 fire dragons
  40 blizzard demons
  4 merfolk javelineers
  A spectral golden dragon (Zig:26)
  77 entropy weavers
  A mummy priest (Zig:18)
  10 deep elf high priests
  4 merfolk impalers
  2 quicksilver dragon zombies
  82 shambling mangroves
  2 spectral spriggans
  2 spriggan zombies
  3 yaktaur captains
  11 great orbs of eyes
  A spectral tengu (Zig:25)
  6 hell beasts
  2 ogre magi
  105 salamander tyrants
  15 spriggan air magi
  A spriggan skeleton (Zig:25)
  3 caustic shrike simulacra
  A ghost crab (Zig:21)
  11 hydras
  6 jorogumos
  2 stokers
  12 alligators
  28 catoblepae
  3 ice dragons (Zig:23)
  15 vampire magi
  8 boulder beetles
  99 dancing weapons
  30 merfolk aquamancers
  An ironbound frostheart (Zig:25)
  4 anacondas
  3 death scarabs
  2 death yaks
  11 radroaches
  A two-headed ogre (Zig:4)
  8 demonic crawlers
  2 sphinx skeletons
  16 shock serpents
  7 naga warriors
  12 naga sharpshooters
  2 alligator snapping turtles
  20 hell hogs
  An occultist (Zig:20)
  2 titan zombies
  A deep troll earth mage (Zig:15)
  A shock serpent (shapeshifter) (Zig:24)
  27 orc high priests
  8 thrashing horrors
  A storm dragon zombie (Zig:13)
  4 deep elf knights
  13 hell knights
  36 wretched stars
  2 crystal echidnas
  3 fire crabs
  2 sixfirhies
  5 titan skeletons
  21 skysharks
  13 soul eaters
  4 shadow wraiths
  6 goliath frogs
  3 fire crabs (shapeshifter)
  14 salamander mystics
  An iron troll (shapeshifter) (Zig:22)
  A spark wasp zombie (Zig:11)
  17 sun demons
  56 iron trolls
  2 large abominations
  7 pharaoh ants
  2 death drakes
  6 golden dragon zombies
  4 sea snakes
  A skyshark (shapeshifter) (Zig:22)
  5 mana vipers
  2 sun moths (shapeshifter)
  3 orb spiders
  5 glowing orange brains
  A death drake (shapeshifter) (Zig:18)
  29 spatial maelstroms
  5 bog bodies
  16 spriggan druids
  4 cherubim
  3 glowing orange brains (shapeshifter)
  8 flayed ghosts
  13 swamp dragons
  2 lindwurms (shapeshifter)
  2 naga ritualists
  73 sun moths
  6 obsidian statues
  An orb spider (shapeshifter) (Zig:23)
  2 shadow demons
  A deep troll (shapeshifter) (Zig:21)
  An ironbound convoker (Zig:5)
  48 steelbarb worms
  6 orange crystal statues
  3 shadow dragon zombies
  2 lindwurms
  A golden dragon skeleton (Zig:22)
  4 necromancers
  5 deep elf archers
  5 deep elf pyromancers
  12 phantasmal warriors
  8 starcursed masses
  5 orc knights
  An iron dragon zombie (Zig:22)
  A sphinx simulacrum (Zig:27)
  2 lightning spires
  A tengu skeleton (Zig:25)
  7 orc sorcerers
  A harpy (Zig:3)
  An ugly thing (shapeshifter) (Zig:21)
  11 oklob plants (Zig:27)
  A steelbarb worm (shapeshifter) (Zig:22)
  A shining eye (shapeshifter) (Zig:7)
  8 deep elf zephyrmancers
  2 cyclopes
  A shadow dragon skeleton (Zig:22)
  14 wolf spiders
  11 will-o-the-wisps
  14 salamanders
  7 meliai
  17 shining eyes
  32 moths of wrath
  A merfolk siren (Zig:20)
  A cyclops (shapeshifter) (Zig:21)
  4 kobold blastminers
  13 black mambas
  A water nymph (shapeshifter) (Zig:17)
  14 guardian serpents
  An orange demon (Zig:26)
  16 apocalypse crabs
  A molten gargoyle (Zig:16)
  3 elephants
  A torpor snail (shapeshifter) (Zig:14)
  5 naga magi
  29 water nymphs
  2 rust devils (Zig:16)
  5 eyes of devastation
  A vault sentinel (Zig:21)
  45 smoke demons
  5 cane toads
  An unseen horror (shapeshifter) (Zig:12)
  78 torpor snails
  4 hellions
  18 tormentors
  A rime drake (Zig:22)
  3 komodo dragons
  3 efreet
  2 cane toads (shapeshifter)
  3 freezing wraiths
  A golden dragon simulacrum (Zig:11)
  3 ancient zymes
  18 red devils
  10 hellwings
  7 guardian mummies
  A troll (Zig:20)
  A silent spectre (Zig:26)
  6 merfolk
  A wind drake (Zig:23)
  11 tarantellas
  287 hornets
  3 blink frogs
  A snapping turtle (Zig:18)
  A dream sheep (Zig:24)
  19 glass eyes
  9 raiju
  68 slime creatures
  35 jumping spiders
  A water elemental (Zig:19)
  3 spriggans
  10 ynoxinuls
  10 air elementals
  6 yaks
  3 ushabtiu
  A spriggan (shapeshifter) (Zig:13)
  A wyvern (Zig:22)
  8 golden eyes
  2 culicivoras
  123 fire elementals
  2 basilisks (Zig:27)
  Eustachio (D:5)
  9 wargs
  3 neqoxecs
  14 redbacks
  A swamp worm (shapeshifter) (Zig:19)
  2 chaos spawn
  A glowing shapeshifter zombie (Zig:18)
  5 nagas
  3 small abominations (Abyss:6)
  9 water moccasins
  3 hell hounds
  22 orc warriors
  A laughing skull (Zig:11)
  3 wolves
  A tengu (shapeshifter) (Zig:21)
  A tengu (Zig:23)
  12 ogres
  77 earth elementals
  9 orc priests
  An iron imp (Zig:16)
  7 orc wizards
  4 mummies
  A dart slug (D:5)
  19 aspiring fleshes
  A ball lightning (Zig:18)
  5 fire vortices
  A spectral weapon (Zig:27)
  2 starspawn tentacles
  A tentacle (Zig:26)
8418 creatures vanquished.

Vanquished Creatures (others)
  5 dread liches
  21 ancient liches
  2 orbs of fire (Zig:16)
  2 royal mummies (Zig:16)
  100 Killer Klowns
  A shard shrike (Zig:12)
  267 pandemonium lords
  A caustic shrike (shapeshifter) (Zig:18)
  A golden dragon (shapeshifter) (Zig:27)
  15 caustic shrikes
  44 golden dragons
  3 bone dragons
  4 Tzitzimimeh
  5 Brimstone Fiends
  An iron giant (Zig:16)
  A starcursed mass (Zig:8)
  A doom hound (Zig:25)
  29 Ice Fiends
  3 Hell Sentinels
  4 hellephants
  3 quicksilver dragons
  13 liches
  56 tentacled monstrosities
  2 deep elf blademasters
  6 acid blobs
  5 titans
  2 deep elf master archers
  9 quicksilver dragons (shapeshifter)
  14 sphinxes (shapeshifter)
  7 Executioners
  11 eldritch tentacles
  3 shadow dragons (shapeshifter) (Zig:22)
  A storm dragon (shapeshifter) (Zig:27)
  3 storm dragons
  13 nagarajas
  5 fenstrider witches
  116 protean progenitors
  3 azure jellies (shapeshifter)
  13 fenstrider witches (shapeshifter)
  18 demonspawn warmongers
  8 draconian monks
  2 emperor scorpions (Zig:18)
  2 rockslimes
  A nargun (Zig:23)
  21 tengu reavers
  10 fire giants (shapeshifter)
  3 frost giants
  9 fire giants
  31 draconian knights
  20 balrugs
  10 frost giants (shapeshifter)
  7 draconian shifters
  2 emperor scorpions (shapeshifter) (Zig:18)
  3 iron dragons
  An angel (Zig:21)
  A curse skull (Zig:26)
  16 deep elf sorcerers
  An iron dragon (shapeshifter) (Zig:27)
  42 draconian scorchers
  7 draconian stormcallers
  20 draconian annihilators
  21 cacodemons
  6 ghost moths
  A quicksilver ooze (shapeshifter) (Zig:27)
  12 demonspawn corrupters
  3 broodmothers (Zig:22)
  44 very ugly things
  19 stone giants (shapeshifter)
  22 demonspawn blood saints
  A formless jellyfish (Zig:19)
  7 formless jellyfish (shapeshifter)
  7 reapers
  2 ophanim (Zig:6)
  A minotaur (Zig:18)
  A very ugly thing (shapeshifter) (Zig:23)
  8 demonspawn black suns
  A deep elf death mage (Zig:25)
  A deep elf demonologist (Zig:5)
  3 green draconians
  3 minotaurs (shapeshifter)
  9 deep elf annihilators
  2 lorocyprocas
  A black draconian (Zig:21)
  3 dire elephants
  2 wendigos
  12 eleionomae (shapeshifter)
  A yellow draconian (shapeshifter) (Zig:18)
  2 spark wasps
  2 war gargoyles
  A bunyip (shapeshifter) (Zig:17)
  4 yellow draconians
  4 bunyips
  2 purple draconians
  7 red draconians
  A dire elephant (shapeshifter) (Zig:22)
  27 blizzard demons
  15 green deaths
  2 ettins (shapeshifter)
  A merfolk impaler (Zig:18)
  An ettin (Zig:25)
  7 fire dragons
  5 white draconians
  A fire dragon (shapeshifter) (Zig:22)
  A merfolk javelineer (Zig:14)
  2 entropy weavers (shapeshifter)
  3 deep elf high priests
  A hydra (Zig:21)
  A caustic shrike simulacrum (Zig:12)
  3 hydras (shapeshifter)
  2 great orbs of eyes (shapeshifter) (Zig:23)
  A great orb of eyes (Zig:25)
  9 salamander tyrants
  A rakshasa (Zig:26)
  4 ice dragons
  26 spriggan air magi
  22 shambling mangroves
  An ice dragon (shapeshifter) (Zig:27)
  4 hell beasts
  A jorogumo (shapeshifter) (Zig:23)
  An ogre mage (Zig:19)
  3 radroaches
  A ghost crab (Zig:20)
  3 anacondas (shapeshifter)
  3 catoblepae (Zig:27)
  7 alligator snapping turtles (shapeshifter)
  3 catoblepae (shapeshifter)
  A juggernaut simulacrum (Zig:25)
  2 anacondas
  4 alligators
  4 jorogumos
  A two-headed ogre (Zig:22)
  A satyr (Zig:22)
  A boulder beetle (shapeshifter) (Zig:23)
  2 boulder beetles
  12 two-headed ogres (shapeshifter)
  5 merfolk aquamancers
  A naga warrior (Abyss:5)
  A satyr (shapeshifter) (Zig:17)
  2 death yaks (shapeshifter)
  A naga sharpshooter (Zig:19)
  A shock serpent (Zig:19)
  4 dancing weapons
  2 occultists
  2 thrashing horrors
  An orc high priest (Zig:11)
  6 sun demons
  A shock serpent (shapeshifter) (Zig:18)
  A wretched star (Zig:15)
  A deep elf knight (Zig:11)
  4 fire crabs (shapeshifter)
  A salamander mystic (Zig:27)
  8 soul eaters
  13 iron trolls (shapeshifter)
  4 sixfirhies
  9 skysharks
  2 skysharks (shapeshifter)
  3 death drakes
  A sea snake (Zig:17)
  A spatial maelstrom (Zig:23)
  2 deep elf archers
  9 deep trolls (shapeshifter)
  A death drake (shapeshifter) (Zig:22)
  15 goliath frogs
  11 orb spiders (shapeshifter)
  3 spriggan druids
  3 swamp dragons
  2 glowing orange brains
  9 mana vipers (shapeshifter)
  5 shadow demons
  4 sun moths (shapeshifter)
  2 sea snakes (shapeshifter)
  9 lindwurms (shapeshifter)
  3 deep trolls
  6 glowing orange brains (shapeshifter)
  An ironbound convoker (Zig:27)
  An arcanist (Zig:25)
  A steelbarb worm (Zig:24)
  A wolf spider (Zig:24)
  4 necromancers
  A lindwurm (Zig:25)
  4 harpies (shapeshifter)
  A swamp dragon (shapeshifter) (Zig:23)
  2 steelbarb worms (shapeshifter) (Zig:22)
  A sphinx simulacrum (Zig:27)
  4 ugly things (shapeshifter)
  8 ugly things
  3 deep elf pyromancers
  2 orc sorcerers
  7 will-o-the-wisps
  3 glowing shapeshifters
  3 deep elf zephyrmancers
  8 shining eyes (shapeshifter)
  6 fauns (shapeshifter)
  5 shining eyes
  4 salamanders (shapeshifter)
  9 cyclopes (shapeshifter)
  2 moths of wrath (Zig:27)
  A salamander (Zig:24)
  4 wolf spiders (shapeshifter)
  5 manticores (shapeshifter)
  7 moths of wrath (shapeshifter)
  2 naga magi
  A rust devil (Zig:26)
  125 apocalypse crabs
  2 meliai (shapeshifter)
  A meliai (Zig:25)
  6 elephants (shapeshifter)
  9 torpor snails (shapeshifter)
  A guardian serpent (Zig:20)
  2 guardian serpents (shapeshifter)
  5 large abominations
  2 black mambas
  An eye of devastation (Zig:18)
  7 eyes of devastation (shapeshifter)
  A titan simulacrum (Zig:12)
  7 smoke demons
  16 water nymphs (shapeshifter)
  A black mamba (shapeshifter) (Zig:18)
  An unseen horror (shapeshifter) (Zig:22)
  5 cane toads
  5 torpor snails
  3 orange demons
  7 water nymphs
  2 cane toads (shapeshifter)
  17 hellions
  A rime drake (shapeshifter) (Zig:22)
  A yaktaur (shapeshifter) (Zig:27)
  2 ice devils (Zig:21)
  A komodo dragon (shapeshifter) (Zig:22)
  6 tormentors
  A rime drake (Zig:20)
  A golden dragon simulacrum (Zig:27)
  3 red devils
  A troll (shapeshifter) (Zig:23)
  17 bloated husks
  7 merfolk (shapeshifter)
  5 merfolk
  2 tyrant leeches (shapeshifter)
  2 hellwings
  2 wind drakes (Zig:23)
  3 wind drakes (shapeshifter)
  A polar bear (shapeshifter) (Zig:23)
  A hornet (shapeshifter) (Zig:17)
  7 tarantellas (shapeshifter)
  58 hornets
  A raiju (Abyss:6)
  2 tarantellas
  2 tyrant leeches
  3 glass eyes (shapeshifter)
  2 iron dragon simulacra
  3 slime creatures (shapeshifter)
  3 slime creatures
  7 dream sheep (shapeshifter)
  7 jumping spiders (shapeshifter)
  5 air elementals
  5 snapping turtles (shapeshifter)
  A culicivora (shapeshifter) (Zig:24)
  A yak (shapeshifter) (Zig:17)
  A spriggan (shapeshifter) (Zig:22)
  A wyvern (Zig:27)
  A dire elephant simulacrum (Coc:4)
  A hog (shapeshifter) (Zig:21)
  A fire bat (shapeshifter) (Zig:22)
  5 ynoxinuls
  A human (shapeshifter) (Zig:27)
  A spriggan (Zig:21)
  8 water elementals
  An ushabti (Zig:16)
  A fire bat (Depths:4)
  3 golden eyes (shapeshifter)
  A yak (Zig:27)
  2 neqoxecs
  11 redbacks (shapeshifter)
  A steam dragon (shapeshifter) (Zig:24)
  93 chaos spawn
  18 swamp worms (shapeshifter)
  A naga (shapeshifter) (Zig:18)
  A naga (Zig:15)
  An acid dragon (Zig:23)
  A water moccasin (Zig:23)
  A water moccasin (shapeshifter) (Zig:22)
  A sky beast (Zig:25)
  2 crocodiles (shapeshifter)
  A wolf (shapeshifter) (Zig:27)
  An earth elemental (Zig:18)
  A bullfrog (shapeshifter) (Zig:27)
  2 scorpions (shapeshifter)
  A glowing shapeshifter simulacrum (Zig:23)
  A naga simulacrum (Coc:1)
  A hell rat (Zig:25)
  95 aspiring fleshes
  205 ball lightnings
  2 boulders
  132 fire vortices
  145 foxfires
  85 starspawn tentacles
  31 tentacles
2948 creatures vanquished.

Grand Total: 178233 creatures vanquished

Notes
Turn   | Place    | Note
-------+----------+-------------------------------------------
     0 | D:1      | Implojin the Gargoyle Earth Elementalist began the quest
                  | for the Orb.
     0 | D:1      | Reached XP level 1. HP: 10/10 MP: 3/3
    91 | D:1      | You fall into a shaft and drop 1 floor!
   209 | D:2      | Reached XP level 2. HP: 17/17 MP: 0/5
   442 | D:2      | Found a glowing silver altar of Zin.
   497 | D:2      | Reached XP level 3. HP: 21/21 MP: 0/6
  1074 | D:3      | Reached skill level 5 in Earth Magic
  1074 | D:3      | Reached XP level 4. HP: 26/26 MP: 3/7
  1172 | D:3      | Found a shimmering altar of Xom.
  1646 | D:3      | Reached XP level 5. HP: 28/31 MP: 3/8
  2039 | D:3      | Learned a level 3 spell: Stone Arrow
  2043 | D:3      | Learned a level 3 spell: Passwall
  2144 | D:4      | Found an ancient bone altar of Kikubaaqudgha.
  2218 | D:4      | Reached XP level 6. HP: 38/38 MP: 6/9
  2291 | D:4      | Found a staircase to the Ecumenical Temple.
  2313 | Temple   | Entered the Ecumenical Temple
  2326 | Temple   | Became a worshipper of Gozag Ym Sagoz the Greedy
  2604 | D:4      | Found Viupt's Jewellery Shop.
  2790 | D:5      | Entered Level 5 of the Dungeon
  2820 | D:5      | Noticed a black bear
  2831 | D:5      | Killed a black bear
  2875 | D:5      | Found a radiant altar of Vehumet.
  2900 | D:5      | Reached XP level 7. HP: 13/43 MP: 4/10
  2962 | D:5      | Noticed Eustachio
  3017 | D:5      | Identified the +1 scale mail "Rowoonen" {rC+}
  3032 | D:5      | Noticed Grinder
  3049 | D:5      | Paralysed by Grinder for 2 turns
  3057 | D:5      | Killed Grinder
  3069 | D:5      | Killed Eustachio
  3203 | D:5      | Reached skill level 10 in Earth Magic
  3239 | D:5      | Reached XP level 8. HP: 48/48 MP: 8/11
  3298 | D:5      | Noticed Edmund
  3609 | D:5      | Found a bloodstained altar of Trog.
  4472 | D:7      | Noticed Jeremiah
  5034 | D:7      | Reached XP level 9. HP: 24/52 MP: 3/15
  5141 | D:7      | Reached skill level 5 in Fighting
  5455 | D:7      | Noticed Pikel
  5464 | D:7      | Killed Pikel
  5474 | D:7      | Found an ornate altar of the Wu Jian Council.
  5708 | D:7      | Reached skill level 5 in Spellcasting
  6324 | D:7      | Gained mutation: You have sharp toenails. [potion of
                  | mutation]
  6324 | D:7      | Gained mutation: You are robust. (+10% HP) [potion of
                  | mutation]
  6324 | D:7      | Gained mutation: Armour fits poorly on your strangely
                  | shaped body. [potion of mutation]
  6329 | D:7      | Killed Jeremiah
  6330 | D:7      | Reached XP level 10. HP: 39/66 MP: 12/19
  6484 | D:7      | Found Uga Siph's Antique Weapon Shop.
  6906 | D:8      | Reached skill level 1 in Armour
  7536 | D:8      | Reached skill level 5 in Armour
  8735 | D:10     | Entered Level 10 of the Dungeon
  8965 | D:10     | Found a staircase to the Lair.
  9574 | D:10     | Found a staircase to the Orcish Mines.
  9576 | D:10     | Reached XP level 11. HP: 70/70 MP: 21/21
  9638 | D:10     | Found a broken altar of Ashenzari.
  9994 | D:10     | Found a sparkling altar of Nemelex Xobeh.
 10019 | D:10     | Found a basalt altar of Yredelemnul.
 10024 | D:10     | Found a hazy altar of Hepliaklqana.
 10107 | D:11     | Noticed a two-headed ogre
 10113 | D:11     | Killed a two-headed ogre
 10233 | D:11     | Noticed Maurice
 10236 | D:11     | Killed Maurice
 10367 | D:11     | Noticed a green ugly thing
 10379 | D:11     | Killed a green ugly thing
 10601 | D:11     | Noticed a brown ugly thing
 10606 | D:11     | Killed a brown ugly thing
 10607 | D:11     | Reached skill level 10 in Fighting
 10642 | D:11     | Noticed a two-headed ogre
 10651 | D:11     | Killed a two-headed ogre
 10744 | D:11     | Noticed a two-headed ogre
 10744 | D:11     | Noticed a two-headed ogre
 10744 | D:11     | Noticed a two-headed ogre
 10744 | D:11     | Noticed an ogre mage
 10745 | D:11     | Noticed a two-headed ogre
 10745 | D:11     | Noticed a two-headed ogre
 10745 | D:11     | Noticed a two-headed ogre
 10750 | D:10     | Killed a two-headed ogre
 10818 | D:10     | Killed a two-headed ogre
 10898 | D:11     | Killed a two-headed ogre
 10949 | D:11     | Killed a two-headed ogre
 10950 | D:11     | Reached skill level 15 in Earth Magic
 10950 | D:11     | Reached XP level 12. HP: 73/84 MP: 22/22
 10994 | D:11     | Noticed a two-headed ogre
 11000 | D:11     | Killed a two-headed ogre
 11103 | D:11     | Noticed a boulder beetle
 11143 | D:11     | Killed a boulder beetle
 11242 | D:11     | Killed an ogre mage
 11243 | D:11     | Reached skill level 10 in Armour
 11251 | D:11     | Killed a two-headed ogre
 11254 | D:11     | Killed a two-headed ogre
 11531 | D:11     | Noticed a two-headed ogre
 11536 | D:11     | Killed a two-headed ogre
 11774 | Lair:1   | Entered Level 1 of the Lair of Beasts
 11879 | Lair:1   | Learned a level 4 spell: Brom's Barrelling Boulder
 11884 | Lair:1   | Learned a level 4 spell: Petrify
 12781 | Lair:1   | Reached XP level 13. HP: 75/90 MP: 23/23
 13405 | Lair:2   | Found a staircase to the Snake Pit.
 14452 | Lair:3   | Found the +5 Force Lance {heavy, knockback}
 14467 | Lair:3   | Noticed Nergalle
 14504 | Lair:3   | Killed Nergalle
 14995 | Lair:3   | Found an opulent altar of Gozag.
 15260 | Lair:3   | Reached skill level 15 in Armour
 15457 | Lair:3   | Gained mutation: Your large and strong wings let you fly.
                  | [Gargoyle growth]
 15457 | Lair:3   | Reached XP level 14. HP: 96/96 MP: 10/25
 16292 | Lair:3   | Found an opulent altar of Gozag.
 17126 | Lair:4   | Found a runed translucent door.
 17664 | Lair:4   | Found a blossoming altar of Fedhas.
 17872 | Lair:4   | Reached skill level 10 in Spellcasting
 18155 | Lair:4   | Found a viscous altar of Jiyva.
 18158 | Lair:4   | Noticed an azure jelly
 18158 | Lair:4   | Noticed an azure jelly
 18159 | Lair:4   | Found a staircase to the Slime Pits.
 18159 | Lair:4   | Noticed an azure jelly
 18431 | Lair:5   | Entered Level 5 of the Lair of Beasts
 20075 | Lair:5   | Identified the ring of Piudghic {rF+ rCorr Int+3 SInv}
 20348 | Lair:5   | Reached XP level 15. HP: 65/102 MP: 23/29
 20759 | Lair:5   | Noticed Snorg
 20769 | Lair:5   | Killed Snorg
 23511 | D:12     | Found a gate leading to a gauntlet.
 23520 | Gauntlet | Entered a Gauntlet
 23520 | Gauntlet | Found a transporter.
 23523 | Gauntlet | Found a transporter.
 23524 | Gauntlet | Found a transporter.
 23528 | Gauntlet | Found a transporter.
 23529 | Gauntlet | Found a transporter.
 23531 | Gauntlet | Found a transporter.
 23537 | Gauntlet | Found a runed translucent gate.
 23540 | Gauntlet | Found a runed translucent gate.
 23540 | Gauntlet | Found a transporter.
 23541 | Gauntlet | Found a runed translucent gate.
 23560 | Gauntlet | Found a transporter.
 23577 | Gauntlet | Found a transporter.
 23581 | Gauntlet | Found a transporter.
 23593 | Gauntlet | Found a transporter.
 23645 | Gauntlet | Found a transporter.
 23877 | Gauntlet | Identified the +0 pair of boots "Biarhiwk" {rCorr}
 23896 | Gauntlet | Identified the +2 hat "Axabyfull" {rPois Str-5 Stlth+}
 23910 | Gauntlet | Identified the +7 glaive "Etog" {venom, rF- rC++ Will+}
 23910 | Gauntlet | Identified the ring "Dixoust" {Fly Int+3}
 23991 | Gauntlet | Identified the +6 spear "Yfajek" {antimagic, rPois}
 25076 | D:13     | Learned a level 4 spell: Leda's Liquefaction
 27022 | D:14     | Reached XP level 16. HP: 109/116 MP: 25/31
 27809 | D:14     | Found a gate to the Vaults.
 27854 | D:15     | Entered Level 15 of the Dungeon
 27909 | D:15     | Noticed Josephine
 27909 | D:15     | Found a staircase to the Depths.
 28716 | D:15     | Killed Josephine
 29987 | Orc:1    | Entered Level 1 of the Orcish Mines
 30459 | Orc:1    | Found Joaxti Cedgh's Book Emporium.
 30467 | Orc:1    | Bought a book of the Moon for 560 gold pieces
 30467 | Orc:1    | Bought a book of the Earth for 504 gold pieces
 30475 | Orc:1    | Learned a level 5 spell: Lee's Rapid Deconstruction
 30480 | Orc:2    | Entered Level 2 of the Orcish Mines
 31613 | Orc:2    | Found Layledal's Antique Weapon Boutique.
 32122 | Orc:2    | Found a staircase to the Elven Halls.
 32996 | Orc:2    | Found Gyvicw's Armour Shoppe.
 32997 | Orc:2    | Found Foecara's Book Emporium.
 32997 | Orc:2    | Found Coesein's Book Shoppe.
 32998 | Orc:2    | Found Xiurhen's Book Shoppe.
 33248 | Orc:1    | Noticed Sonja
 33315 | Orc:1    | Killed Sonja
 33725 | Shoals:1 | Entered Level 1 of the Shoals
 34423 | Shoals:1 | Reached XP level 17. HP: 100/122 MP: 7/34
 34733 | Shoals:1 | Noticed a kraken
 34764 | Shoals:1 | Killed a kraken
 35153 | Lair:2   | Learned a level 8 spell: Lehudib's Crystal Spear
 35279 | Shoals:1 | Noticed Nikola
 35299 | Shoals:1 | Killed Nikola
 36384 | Shoals:2 | Found Waoggate's Book Shoppe.
 36409 | Shoals:2 | Reached skill level 5 in Conjurations
 36432 | Shoals:2 | Found a transporter.
 36527 | Shoals:2 | Found a transporter.
 36746 | Shoals:2 | Found a transporter.
 36748 | Shoals:2 | Found a transporter.
 37272 | Shoals:2 | Found a transporter.
 37276 | Shoals:2 | Found a transporter.
 37825 | Shoals:2 | Noticed a kraken
 39046 | Shoals:3 | Noticed Polyphemus
 39060 | Shoals:3 | Killed Polyphemus
 39624 | Shoals:4 | Entered Level 4 of the Shoals
 39701 | Shoals:4 | Reached skill level 10 in Conjurations
 40624 | Shoals:4 | Reached skill level 5 in Stealth
 40904 | Shoals:4 | Reached XP level 18. HP: 98/127 MP: 33/36
 40975 | Shoals:4 | Noticed Donald
 40986 | Shoals:4 | Killed Donald
 41077 | Shoals:4 | Found a stormy altar of Qazlal.
 41403 | Shoals:4 | Paralysed by an air elemental for 1 turns
 41406 | Shoals:4 | Paralysed by an air elemental for 1 turns
 41422 | Shoals:4 | Paralysed by an air elemental for 1 turns
 42280 | Shoals:4 | Noticed a titan
 42827 | Shoals:4 | Killed a titan
 42834 | Shoals:4 | Got a barnacled rune of Zot
 43323 | Snake:1  | Entered Level 1 of the Snake Pit
 43565 | Snake:1  | Reached skill level 15 in Spellcasting
 43775 | Snake:1  | Found Soivvor's Antique Armour Emporium.
 43783 | Snake:1  | Bought a heavily runed robe for 222 gold pieces
 43783 | Snake:1  | Identified the +1 robe of Tortelloni {Dex+5 SInv} (You
                  | bought it in a shop on level 1 of the Snake Pit)
 43806 | Snake:1  | Bought an embroidered scarf for 312 gold pieces
 44000 | Snake:1  | Noticed Frances
 44007 | Snake:1  | Killed Frances
 44097 | Snake:1  | You are sucked into a shaft and drop 1 floor!
 47938 | Snake:3  | Reached XP level 19. HP: 122/133 MP: 29/40
 48988 | Snake:4  | Entered Level 4 of the Snake Pit
 50029 | Snake:4  | Identified the serpent talisman of the Rose {Str+6 Stlth+}
 50029 | Snake:4  | Noticed Aizul
 50049 | Snake:4  | Killed Aizul
 52473 | Snake:4  | Got a serpentine rune of Zot
 52810 | Elf:1    | Entered Level 1 of the Elven Halls
 53272 | Elf:1    | Found Wunkyr Nitsu's Book Shoppe.
 53292 | Elf:1    | Bought a manual of Fire Magic for 1120 gold pieces
 53744 | Elf:1    | Reached XP level 20. HP: 140/140 MP: 33/41
 54055 | Elf:1    | Found a runed translucent gate.
 54055 | Elf:1    | Found a runed translucent gate.
 54055 | Elf:1    | Found a runed translucent gate.
 54186 | Elf:1    | Paralysed by an air elemental for 1 turns
 54417 | Elf:2    | Reached skill level 15 in Fighting
 54915 | Elf:2    | Found Cointief's Book Shop.
 54921 | Elf:2    | Bought Great Wizards, Vol. II for 380 gold pieces
 54930 | Elf:2    | Learned a level 5 spell: Borgnjor's Vile Clutch
 55207 | Elf:2    | Found a runed translucent gate.
 55207 | Elf:2    | Found a runed translucent gate.
 55212 | Elf:2    | Found a runed translucent gate.
 55253 | Elf:2    | Paralysed by an air elemental for 1 turns
 55255 | Elf:2    | Paralysed by an air elemental for 1 turns
 55259 | Elf:2    | Identified the +4 scale mail "Livaru" {Will++}
 56348 | Elf:2    | Reached skill level 1 in Evocations
 56896 | Elf:3    | Entered Level 3 of the Elven Halls
 57044 | Elf:3    | Found a runed translucent gate.
 57044 | Elf:3    | Noticed Lalunt's ghost (adept MiBe)
 57046 | Elf:3    | Found a runed translucent gate.
 57047 | Elf:3    | Found a runed translucent gate.
 57048 | Elf:3    | Found an iron altar of Okawaru.
 57048 | Elf:3    | Identified the +2 leather armour of the Snake Pit {Str+4
                  | Dex+3}
 57105 | Elf:3    | Found Fonn's Distillery.
 57275 | Elf:3    | Reached skill level 5 in Evocations
 57885 | Elf:3    | Identified the +10 mace "Vooshutu" {freeze, Will+ rCorr
                  | Int+6 Stlth-}
 57935 | Elf:3    | Noticed a Brimstone Fiend
 58194 | Elf:3    | Reached XP level 21. HP: 131/152 MP: 41/42
 58195 | Abyss:2  | Cast into level 2 of the Abyss (a deep elf sorcerer)
 58702 | Abyss:2  | Found a corrupted altar of Lugonu.
 58741 | Abyss:2  | Found a corrupted altar of Lugonu.
 58783 | Abyss:2  | Reached skill level 10 in Stealth
 58791 | Elf:3    | Escaped the Abyss
 59227 | Elf:3    | Identified the +4 dagger "Omelette" {flame, rPois Str-5
                  | Dex+3}
 59284 | Elf:3    | Identified the +4 glaive of the Twisting Gods {distort,
                  | rPois}
 59431 | Elf:3    | Identified the +0 pair of gloves "Othaluibb" {rF+}
 59436 | Elf:3    | Got Lom Lobon's Atlas of Bolts
 59438 | Elf:3    | Identified the +1 pair of gloves of Ryon Miw {rF+ Int+3}
 59476 | Elf:3    | Identified the +5 falchion of Culoduc {venom, rC+}
 59603 | Elf:3    | Learned a level 9 spell: Shatter
 60520 | Vaults:1 | Entered Level 1 of the Vaults
 60560 | Vaults:1 | Gained mutation: Your movements are slightly less
                  | encumbered by armour. (ER -2) [mutagenic glow]
 60700 | Vaults:1 | Noticed Asterion
 60704 | Vaults:1 | Killed Asterion
 60718 | Vaults:1 | Found Uhonama's Assorted Antiques.
 60732 | Vaults:1 | Bought a scroll of blinking for 292 gold pieces
 60732 | Vaults:1 | Bought a scroll of enchant armour for 292 gold pieces
 60732 | Vaults:1 | Bought a potion of heal wounds for 195 gold pieces
 60732 | Vaults:1 | Bought a potion of curing for 117 gold pieces
 60740 | Vaults:1 | Found a crumbling gateway.
 60747 | Desolati | Entered the Desolation of Salt
 60931 | Desolati | Reached XP level 22. HP: 141/158 MP: 24/44
 60999 | Desolati | Identified the staff of the Orcish Mines {rElec rF- Str+4
                  | Int+3 Air}
 60999 | Desolati | Identified the +3 ring mail of Indomitability {rPois rCorr
                  | Stlth+}
 60999 | Desolati | Identified the ring "Oteexkez" {*Slow rN+ rCorr Str+5
                  | Int+6}
 61322 | Desolati | Found the +0 mask of the Dragon {Will+ Slay+3 SInv}
 61349 | Desolati | Identified the +1 pair of gloves of Spite {Harm rN+++
                  | Regen+ Str-5}
 61378 | Desolati | Identified the ring of Dishonour {Ice rPois Str+4 Int+3
                  | Dex+3}
 61432 | Desolati | Got Nuzxucw's Papyrus of Debased Spells and Cold
 61441 | Desolati | Identified the amulet of Eteticut {Faith Harm rF+}
 61671 | Desolati | Found the +3 pair of seven-league boots {Rampage+∞}
 61679 | Desolati | Got the Catalogue of Translocated Ice
 61930 | Desolati | Got the Enchiridion on the Cunning Retinue
 62951 | Vaults:1 | Reached skill level 1 in Fire Magic
 63425 | Vaults:2 | Noticed Mara
 63429 | Vaults:2 | Killed Mara
 65014 | Vaults:3 | Found Anita's General Store.
 65466 | Vaults:3 | Found a staircase to the Crypt.
 65966 | Vaults:4 | Reached XP level 23. HP: 146/163 MP: 29/48
 66551 | Vaults:4 | Found Qeusch's Weapon Emporium.
 66878 | Vaults:4 | Found Erubeh's Antique Weapon Shoppe.
 66959 | Vaults:4 | Identified the ring "Cobu" {Will+ Dex+6}
 67919 | Vaults:5 | Entered Level 5 of the Vaults
 67926 | Vaults:5 | Noticed an ancient lich
 67928 | Vaults:5 | Killed an ancient lich
 68053 | Vaults:5 | Noticed an ancient lich
 68200 | Vaults:5 | Killed an ancient lich
 68201 | Vaults:5 | Reached XP level 24. HP: 122/171 MP: 9/51
 68495 | Vaults:5 | Identified the +1 plate armour of Gravitas {-Tele rPois
                  | SInv}
 68803 | Vaults:5 | Found Textoth's Armour Boutique.
 69200 | Vaults:5 | Identified the +1 leather armour "Onlae" {Harm Regen+
                  | Dex+3}
 69307 | Vaults:5 | Identified the +0 robe of Xaju {^Drain Str+8 Dex+6}
 69311 | Vaults:5 | Identified the staff of Amortisation {*Corrode rPois Int+4
                  | Air Alchemy}
 69317 | Vaults:5 | Identified the +8 scimitar "Koneal" {protect, rC+}
 69452 | Vaults:5 | Bought the +3 robe of Clouds {*Thunder rCloud rElec} for
                  | 475 gold pieces
 69452 | Vaults:5 | Found the +3 robe of Clouds {*Thunder rCloud rElec}
 69455 | Vaults:5 | Got a silver rune of Zot
 70141 | Vaults:5 | Found Textoth's Armour Boutique.
 70572 | Depths:1 | Entered Level 1 of the Depths
 70716 | Depths:1 | Found a gateway to Hell.
 70942 | Depths:1 | Found a sacrificial altar of Ru.
 71058 | Depths:1 | Found a stormy altar of Qazlal.
 71965 | Depths:2 | Found a one-way gate leading to the halls of Pandemonium.
 71969 | Depths:2 | Reached skill level 1 in Throwing
 72403 | Depths:2 | Reached XP level 25. HP: 176/176 MP: 27/53
 72491 | Depths:2 | Reached skill level 5 in Throwing
 72577 | Depths:2 | Found the +2 cloak of the Thief {*Fog Slay-2 SInv Stlth+}
 72581 | Depths:2 | Found a shadowy altar of Dithmenos.
 72593 | Depths:2 | Identified the +8 shadow dragon scales of the Cricket {SInv
                  | Stlth++++}
 72915 | Depths:3 | Found a one-way gate to the infinite horrors of the Abyss.
 73280 | Depths:3 | Found a one-way gateway to a ziggurat.
 73657 | Depths:3 | Identified the +1 scale mail of Intuition {rC- Will+ Int+2
                  | Slay+2}
 73743 | Depths:3 | Identified the +2 morningstar "Fipynn" {vamp, rPois rC-
                  | rCorr}
 74343 | Depths:4 | Entered Level 4 of the Depths
 74518 | Depths:4 | Noticed a juggernaut
 74520 | Depths:4 | Killed a juggernaut
 74602 | Depths:4 | Found Wikloasu's General Store.
 74977 | Depths:4 | Identified the +9 demon whip "Voxzilez" {flame, Str+3
                  | Int+2}
 75095 | Depths:4 | Found a gate to the Realm of Zot.
 75099 | Depths:4 | Reached skill level 10 in Throwing
 75215 | Depths:4 | Found Gicutuon's Magic Scroll Shop.
 75223 | Depths:4 | Bought a scroll of blinking for 165 gold pieces
 75491 | Depths:4 | Found Waekluto's Armour Shop.
 75499 | Depths:4 | Bought a +2 pair of boots of rampaging for 430 gold pieces
 75981 | Lair:4   | :hmm
 75981 | Lair:4   | :maybe ignition
 76251 | Orc:2    | Bought an Everburning Encyclopedia for 570 gold pieces
 76260 | Orc:2    | Learned a level 8 spell: Ignition
 76261 | Orc:2    | Bought a book of Decay for 560 gold pieces
 76268 | Orc:2    | Learned a level 6 spell: Death Channel
 76271 | Orc:2    | :what am i missing
 76271 | Orc:2    | :oh
 76271 | Orc:2    | :death talisman
 76584 | Crypt:1  | Entered Level 1 of the Crypt
 76592 | Crypt:1  | Reached skill level 1 in Shapeshifting
 77753 | Crypt:2  | Reached skill level 5 in Shapeshifting
 77839 | Crypt:2  | Identified the +4 ring mail "Nouvuar" {rF+}
 77841 | Crypt:2  | Reached XP level 26. HP: 173/182 MP: 29/53
 78045 | Crypt:2  | Learned a level 9 spell: Chain Lightning
 78959 | Crypt:2  | Found an ancient bone altar of Kikubaaqudgha.
 79192 | Crypt:3  | Entered Level 3 of the Crypt
 79246 | Crypt:3  | Found a basalt altar of Yredelemnul.
 79780 | Crypt:3  | Identified the amulet of Sovereignty {*Slow +Blink rPois
                  | rN+ Regen+}
 79781 | Crypt:3  | Reached skill level 10 in Shapeshifting
 79784 | Crypt:3  | Identified the amulet of Zaivec {rC+ Regen+}
 79787 | Crypt:3  | Found a staircase to the Tomb.
 79824 | Crypt:3  | Identified the ring of Balance {^Contam rPois rN+ Str-4
                  | Dex+8}
 79825 | Crypt:3  | Identified the +4 pair of boots of Godghut {rC+}
 80138 | Crypt:3  | Identified the storm talisman "Pucalofo" {rC+}
 80930 | Hell     | Entered the Vestibule of Hell
 80930 | Hell     | Noticed Geryon
 80935 | Hell     | Killed Geryon
 81374 | Hell     | Found a gateway to the freezing wastes of Cocytus.
 81615 | Hell     | Found a gateway to the Iron City of Dis.
 81926 | Hell     | Found a gateway to the ashen valley of Gehenna.
 82006 | Hell     | Found a gateway to the decaying netherworld of Tartarus.
 82194 | Zot:1    | Entered Level 1 of the Realm of Zot
 82726 | Zot:1    | Noticed an ancient lich
 82728 | Zot:1    | Killed an ancient lich
 82733 | Zot:1    | Reached XP level 27. HP: 188/188 MP: 21/53
 82791 | Zot:1    | Found a stormy altar of Qazlal.
 83460 | Zot:1    | Identified the +5 flail "Jodouhil" {pain, Int+3}
 83987 | Zot:2    | Noticed Grunn
 83989 | Zot:2    | Killed Grunn
 84270 | Zot:2    | Reached skill level 15 in Shapeshifting
 85241 | Zot:3    | You are sucked into a shaft and drop 1 floor!
 86581 | Zot:4    | Identified the +4 double sword of Analysis {distort, Str+4}
 87155 | Zot:4    | Identified the +4 robe "Dirul" {Str+2}
 87257 | Zot:5    | Entered Level 5 of the Realm of Zot
 87306 | Zot:5    | Noticed an ancient lich
 87375 | Zot:5    | Killed an ancient lich
 87402 | Zot:5    | Noticed an ancient lich
 87403 | Zot:5    | Killed an ancient lich
 87484 | Zot:5    | Noticed an orb of fire
 87485 | Zot:5    | Gained mutation: You occasionally lose the ability to drink
                  | potions when taking damage. [an orb of fire]
 87570 | Zot:4    | Lost mutation: Armour fits poorly on your strangely shaped
                  | body. [potion of mutation]
 87570 | Zot:4    | Lost mutation: You occasionally lose the ability to drink
                  | potions when taking damage. [potion of mutation]
 87570 | Zot:4    | Lost mutation: You have sharp toenails. [potion of
                  | mutation]
 87570 | Zot:4    | Gained mutation: You have large cloven feet. [potion of
                  | mutation]
 87570 | Zot:4    | Gained mutation: You do not regenerate when monsters are
                  | visible. [potion of mutation]
 87570 | Zot:4    | Gained mutation: You are partially covered in iridescent
                  | scales. (AC +2) [potion of mutation]
 87571 | Zot:4    | Lost mutation: Your movements are slightly less encumbered
                  | by armour. (ER -2) [potion of mutation]
 87571 | Zot:4    | Lost mutation: You do not regenerate when monsters are
                  | visible. [potion of mutation]
 87571 | Zot:4    | Lost mutation: You have large cloven feet. [potion of
                  | mutation]
 87571 | Zot:4    | Gained mutation: You expend magic power (3 MP) to
                  | strengthen your wands. [potion of mutation]
 87571 | Zot:4    | Gained mutation: You are mostly covered in iridescent
                  | scales. (AC +4) [potion of mutation]
 87575 | Zot:5    | Noticed an orb of fire
 87647 | Zot:5    | Gained mutation: You have a somewhat thin skeletal
                  | structure. (Dex +2, Stealth+) [an orb of fire]
 87648 | Zot:5    | Killed an orb of fire
 87657 | Zot:5    | Killed an orb of fire
 88154 | Zot:5    | Noticed an orb of fire
 88154 | Zot:5    | Noticed an orb of fire
 88496 | Zot:5    | Noticed an orb of fire
 88501 | Zot:5    | Killed an orb of fire
 88575 | Zot:5    | Lost mutation: You expend magic power (3 MP) to strengthen
                  | your wands. [an orb of fire]
 88698 | Zot:5    | Noticed a dread lich
 88700 | Zot:5    | Killed a dread lich
 88789 | Zot:5    | Killed an orb of fire
 88821 | Zot:5    | Noticed an orb of fire
 88823 | Zot:5    | Gained mutation: Potions are less effective at restoring
                  | your health. [an orb of fire]
 88829 | Zot:5    | Killed an orb of fire
 88834 | Zot:5    | Killed an orb of fire
 88898 | Zot:5    | Noticed a dread lich
 88902 | Zot:5    | Killed a dread lich
 89359 | Zot:5    | Lost mutation: You are mostly covered in iridescent scales.
                  | (AC +4) [potion of mutation]
 89359 | Zot:5    | Lost mutation: You are robust. (+10% HP) [potion of
                  | mutation]
 89359 | Zot:5    | Gained mutation: Your flesh is heat resistant. (rF+)
                  | [potion of mutation]
 89359 | Zot:5    | Gained mutation: You are robust. (+10% HP) [potion of
                  | mutation]
 89360 | Zot:5    | Lost mutation: You have a somewhat thin skeletal structure.
                  | (Dex +2, Stealth+) [potion of mutation]
 89360 | Zot:5    | Lost mutation: You are partially covered in iridescent
                  | scales. (AC +2) [potion of mutation]
 89360 | Zot:5    | Lost mutation: Your flesh is heat resistant. (rF+) [potion
                  | of mutation]
 89360 | Zot:5    | Gained mutation: Potions cannot restore your health.
                  | [potion of mutation]
 89360 | Zot:5    | Gained mutation: You have a pair of small horns on your
                  | head. [potion of mutation]
 89360 | Zot:5    | Gained mutation: You have large cloven feet. [potion of
                  | mutation]
 89361 | Zot:5    | Lost mutation: Potions cannot restore your health. [potion
                  | of mutation]
 89361 | Zot:5    | Lost mutation: You have large cloven feet. [potion of
                  | mutation]
 89361 | Zot:5    | Lost mutation: You have a pair of small horns on your head.
                  | [potion of mutation]
 89361 | Zot:5    | Gained mutation: You are partially covered in iridescent
                  | scales. (AC +2) [potion of mutation]
 89361 | Zot:5    | Gained mutation: You have a pair of small horns on your
                  | head. [potion of mutation]
 89362 | Zot:5    | Lost mutation: You have a pair of small horns on your head.
                  | [potion of mutation]
 89362 | Zot:5    | Lost mutation: You are robust. (+10% HP) [potion of
                  | mutation]
 89362 | Zot:5    | Lost mutation: You are partially covered in iridescent
                  | scales. (AC +2) [potion of mutation]
 89362 | Zot:5    | Gained mutation: You are strong-willed. (Will+) [potion of
                  | mutation]
 89362 | Zot:5    | Gained mutation: Your skin changes colour to match your
                  | surroundings (Stealth+). [potion of mutation]
 89363 | Zot:5    | Lost mutation: Potions are less effective at restoring your
                  | health. [potion of mutation]
 89363 | Zot:5    | Lost mutation: You are strong-willed. (Will+) [potion of
                  | mutation]
 89363 | Zot:5    | Gained mutation: You have hidden genetic potential. [potion
                  | of mutation]
 89363 | Zot:5    | Gained mutation: You are agile. (Dex +4, Str/Int -1)
                  | [potion of mutation]
 89363 | Zot:5    | Gained mutation: You have a pair of small horns on your
                  | head. [potion of mutation]
 89765 | Slime:1  | Entered Level 1 of the Pits of Slime
 91143 | Slime:2  | Gained mutation: Your spells are a little easier to cast,
                  | but a little less powerful. [a shining eye]
 91206 | Slime:2  | Gained mutation: You do not regenerate when monsters are
                  | visible. [a shining eye]
 91208 | Slime:2  | Gained mutation: You occasionally lose the ability to drink
                  | potions when taking damage. [a shining eye]
 91209 | Slime:2  | Gained mutation: You are dopey. (Int -2) [a shining eye]
 91399 | Slime:2  | Gained mutation: You sometimes lose the ability to drink
                  | potions when taking damage. [a shining eye]
 91400 | Slime:2  | Gained mutation: You are very dopey. (Int -4) [a shining
                  | eye]
 92272 | Slime:3  | Gained mutation: Your spells are easier to cast, but less
                  | powerful. [a shining eye]
 92707 | Slime:5  | Entered Level 5 of the Pits of Slime
 93058 | Slime:5  | Noticed the Royal Jelly
 93070 | Slime:5  | Killed the Royal Jelly
 93528 | Slime:5  | Identified the +5 mace of Epsa {flame, *Slow Dex+8 Stlth+}
 93618 | Slime:5  | Identified the +1 steam dragon scales "Atitimm" {-Tele
                  | ^Drain Regen+ Slay+4}
 93635 | Slime:5  | Got the Guidebook on the Mountains and Enchantment
 93637 | Slime:5  | Got a slimy rune of Zot
 93671 | Slime:5  | Identified the +6 scimitar of the Durable God {drain,
                  | *Noise rPois Str+4 Stlth+}
 93678 | Slime:5  | Got the Book of Creative Injury
 93710 | Slime:5  | Identified the +4 great mace of the Muttering Gods {pain,
                  | MP+9 Str+4}
 94630 | Lair:4   | Lost mutation: You are agile. (Dex +4, Str/Int -1) [potion
                  | of mutation]
 94630 | Lair:4   | Lost mutation: Your skin changes colour to match your
                  | surroundings (Stealth+). [potion of mutation]
 94630 | Lair:4   | Lost mutation: You have hidden genetic potential. [potion
                  | of mutation]
 94630 | Lair:4   | Gained mutation: You possess an exceptional clarity of
                  | mind. [potion of mutation]
 94630 | Lair:4   | Gained mutation: Your muscles are strong. (Str +4, Int/Dex
                  | -1) [potion of mutation]
 94631 | Lair:4   | Lost mutation: You are very dopey. (Int -4) [potion of
                  | mutation]
 94631 | Lair:4   | Lost mutation: You sometimes lose the ability to drink
                  | potions when taking damage. [potion of mutation]
 94631 | Lair:4   | Gained mutation: You have a pair of horns on your head.
                  | [potion of mutation]
 94631 | Lair:4   | Gained mutation: You are strong-willed. (Will+) [potion of
                  | mutation]
 94631 | Lair:4   | Lost mutation: You are strong-willed. (Will+) [potion of
                  | mutation]
 94632 | Lair:4   | Lost mutation: You do not regenerate when monsters are
                  | visible. [potion of mutation]
 94632 | Lair:4   | Lost mutation: Your spells are easier to cast, but less
                  | powerful. [potion of mutation]
 94632 | Lair:4   | Lost mutation: You occasionally lose the ability to drink
                  | potions when taking damage. [potion of mutation]
 94632 | Lair:4   | Gained mutation: You have an increased reservoir of magic.
                  | (+10% MP) [potion of mutation]
 94949 | Elf:1    | Found a runed translucent gate.
 94949 | Elf:1    | Found a runed translucent gate.
 94949 | Elf:1    | Found a runed translucent gate.
 94956 | Elf:1    | Noticed Goqemeh's ghost (adept MiBe)
 94984 | Elf:1    | Killed Goqemeh's ghost
 95003 | Elf:1    | Learned a level 1 spell: Apportation
 95010 | Elf:1    | Identified the +1 cloak of the Maze {Int+2}
 95053 | Elf:1    | Lost mutation: You have a pair of horns on your head.
                  | [potion of mutation]
 95053 | Elf:1    | Lost mutation: You have an increased reservoir of magic.
                  | (+10% MP) [potion of mutation]
 95053 | Elf:1    | Lost mutation: You are dopey. (Int -2) [potion of mutation]
 95053 | Elf:1    | Lost mutation: You possess an exceptional clarity of mind.
                  | [potion of mutation]
 95053 | Elf:1    | Lost mutation: You have a pair of small horns on your head.
                  | [potion of mutation]
 95053 | Elf:1    | Gained mutation: You are somewhat resistant to further
                  | mutation. [potion of mutation]
 95054 | Elf:1    | Lost mutation: Your muscles are strong. (Str +4, Int/Dex
                  | -1) [potion of mutation]
 95054 | Elf:1    | Lost mutation: Your spells are a little easier to cast, but
                  | a little less powerful. [potion of mutation]
 95054 | Elf:1    | Lost mutation: You are somewhat resistant to further
                  | mutation. [potion of mutation]
 95054 | Elf:1    | Gained mutation: You are robust. (+10% HP) [potion of
                  | mutation]
 95054 | Elf:1    | Gained mutation: Your muscles are strong. (Str +4, Int/Dex
                  | -1) [potion of mutation]
 95363 | Zig:1    | Entered Level 1 of a ziggurat
 95378 | Zig:2    | Entered Level 2 of a ziggurat
 95403 | Zig:3    | Entered Level 3 of a ziggurat
 95439 | Zig:4    | Entered Level 4 of a ziggurat
 95507 | Zig:5    | Entered Level 5 of a ziggurat
 95515 | Zig:5    | Reached skill level 5 in Fire Magic
 95541 | Zig:5    | Identified the +3 shortbow "Tynuass" {freeze, rF+ rC++}
 95640 | Zig:6    | Entered Level 6 of a ziggurat
 95645 | Zig:6    | Found the dreamshard necklace {Acrobat *Dream}
 95708 | Zig:7    | Entered Level 7 of a ziggurat
 95762 | Zig:7    | Identified the staff of Intimidation {rPois rN++ rCorr
                  | Dex-5 Air Alchemy}
 95769 | Zig:8    | Entered Level 8 of a ziggurat
 95808 | Zig:8    | Identified the +1 flail "Eklir" {venom, rElec rC- rN+
                  | rCorr}
 95845 | Zig:9    | Entered Level 9 of a ziggurat
 95857 | Zig:9    | Reached skill level 10 in Fire Magic
 96037 | Zig:9    | Identified the +2 scale mail "Secur" {rC++ Dex+2 Slay-5}
 96042 | Zig:9    | Identified the +16 plate armour of Youthful Indiscretion
                  | {rPois Regen+ Str+2}
 96113 | Zig:9    | :should have left some of inv outside before first zig
 96142 | Zig:10   | Entered Level 10 of a ziggurat
 96200 | Zig:10   | Identified the amulet "Beinn" {Regen+ Dex+2}
 96298 | Zig:11   | Entered Level 11 of a ziggurat
 96310 | Zig:11   | Noticed a juggernaut
 96312 | Zig:11   | Killed a juggernaut
 96313 | Zig:11   | Reached skill level 15 in Fire Magic
 96325 | Zig:11   | Identified the amulet "Osuakeh" {Reflect Dex+3 SH+5}
 96333 | Zig:11   | Identified the +0 leather armour of the King of the Hill
                  | {Int+3 SInv}
 96351 | Zig:11   | Identified the ring "Raxaups" {*Slow Will+++ Int+3 Dex-5
                  | Slay+4}
 96352 | Zig:11   | Identified the +8 sling "Joixahe" {speed, rPois rF++ Str+3
                  | Int-2}
 96370 | Zig:11   | Identified the +1 short sword of Extermination {antimagic,
                  | rPois}
 96429 | Zig:12   | Entered Level 12 of a ziggurat
 96576 | Zig:13   | Entered Level 13 of a ziggurat
 96596 | Zig:13   | Reached skill level 5 in Necromancy
 96653 | Zig:13   | Identified the +1 pair of gloves of Seridil {rF+ Str+3}
 96672 | Zig:14   | Entered Level 14 of a ziggurat
 96778 | Zig:14   | Identified the ring of Safo {Will+ Int-2 SInv Stlth+}
 96788 | Zig:14   | Identified the amulet "Duujos" {Acrobat rPois Stlth+}
 96832 | Zig:15   | Entered Level 15 of a ziggurat
 96991 | Zig:15   | Identified the amulet "Qoefouff" {Faith rElec Dex+2}
 97014 | Zig:16   | Entered Level 16 of a ziggurat
 97239 | Zig:16   | Identified the +9 dagger of the Fortifying Madman {flame,
                  | ^Drain Int+4}
 97245 | Zig:16   | Identified the ring of Tetras {rPois rN+ Str+2 Dex-2}
 97250 | Zig:16   | Identified the +2 arbalest "Paunes" {drain, rElec rC+
                  | Stlth+}
 97256 | Zig:16   | Identified the +5 chain mail of Daffodils {+Inv rPois rC+}
 97265 | Zig:16   | Identified the ring "Tidus" {Fly rF- Will+ Dex+4}
 97274 | Zig:17   | Entered Level 17 of a ziggurat
 97375 | Zig:17   | Identified the staff of Annihilation {rElec rPois MP+9
                  | Int-4 Alchemy}
 97376 | Zig:17   | Identified the +1 robe of the Devil's Team {rC+}
 97381 | Zig:17   | Got the Anthology of Gritty Position
 97390 | Zig:17   | Identified the +4 ring mail of Midwinter {Harm rN+ Int+4}
 97488 | Zig:17   | Identified the +1 spear of Mutilation {elec, Dex+3}
 97490 | Zig:17   | Identified the +2 sling "Qifet" {antimagic, rElec rPois
                  | rC+}
 97550 | Zig:18   | Entered Level 18 of a ziggurat
 97565 | Zig:18   | Noticed a dread lich
 97567 | Zig:18   | Killed a dread lich
 97567 | Zig:18   | Noticed a dread lich
 97567 | Zig:18   | Noticed a dread lich
 97567 | Zig:18   | Noticed an ancient lich
 97568 | Zig:18   | Noticed an ancient lich
 97568 | Zig:18   | Noticed a dread lich
 97570 | Zig:18   | Killed an ancient lich
 97570 | Zig:18   | Killed a dread lich
 97570 | Zig:18   | Killed a dread lich
 97570 | Zig:18   | Killed an ancient lich
 97572 | Zig:18   | Killed a dread lich
 97684 | Zig:18   | Identified the staff "Ziedi" {rC+ rN+ Will- Int-3 Dex+4
                  | Necro}
 97692 | Zig:18   | Identified the ring "Ugovoihe" {Str+6 Dex+2}
 97772 | Zig:19   | Entered Level 19 of a ziggurat
 97807 | Zig:19   | Reached skill level 10 in Necromancy
 97810 | Zig:19   | Gained mutation: You occasionally shout uncontrollably at
                  | your foes. [a cacodemon]
 97814 | Zig:19   | Noticed Amuak the pandemonium lord
 97817 | Zig:19   | Killed Amuak the pandemonium lord
 97918 | Zig:19   | Identified the +7 halberd of Wegaimegi {venom, ^Fragile
                  | rElec Int+9}
 97920 | Zig:19   | Identified the +3 battleaxe of Beogh's Esteem {vamp, rElec
                  | Str+2 Int+3}
 97941 | Zig:19   | Identified the ring of the Moon {rC+ Str+3 Int+3 SInv
                  | Stlth-}
 97963 | Zig:19   | Learned a level 8 spell: Disjunction
 97968 | Zig:19   | Learned a level 4 spell: Passage of Golubria
 97968 | Zig:19   | :what am i still missing
 97968 | Zig:19   | :should lookup an old morgue
 97968 | Zig:19   | :pvort
 97968 | Zig:19   | :revifi
 97968 | Zig:19   | :ddoor
 97979 | Zig:19   | Learned a level 9 spell: Death's Door
 97984 | Zig:19   | Identified the +10 long sword of the Original Sin {venom,
                  | Str-4 Int+2 Dex+3}
 98010 | Zig:20   | Entered Level 20 of a ziggurat
 98182 | Zig:20   | Got the Tome of Creation
 98197 | Zig:20   | Got the Papyrus of the Entourage and Refrigeration
 98247 | Zig:20   | Identified the amulet "Ikudalim" {rF- rC- Regen+ Int+5
                  | Dex+3}
 98301 | Zig:21   | Entered Level 21 of a ziggurat
 98453 | Zig:21   | Found the +7 lajatang of Order {silver, rMut}
 98560 | Zig:21   | Identified the +3 orcbow of Guile {heavy, rC+ Will- rCorr}
 98573 | Zig:21   | Identified the staff of the Warrior-Mage {*Slow rN+ Str+7
                  | Dex+3 Necro}
 98645 | Zig:22   | Entered Level 22 of a ziggurat
 98668 | Zig:22   | Reached skill level 15 in Necromancy
 98678 | Zig:22   | Identified 2 scrolls of acquirement
 98878 | Zig:22   | Acquired the +2 helmet of Winter {Will+ Str+3}
 98879 | Zig:22   | Acquired a manual of Shields
 98894 | Zig:22   | Identified the scarf of the Blushing Gods {+Inv, *Corrode
                  | rN+++ Regen+ Str+6}
 99003 | Zig:23   | Entered Level 23 of a ziggurat
 99180 | Zig:23   | Acquired the ring of Deuwucve {MP+9 Str+2 Dex+3}
 99188 | Zig:23   | Got Sif Muna's Quarto of the Hot Sixfirhy
 99190 | Zig:23   | Identified the ring "Zyacy" {rCorr Str+6}
 99203 | Zig:23   | Identified the ring of the Shining Light {rC+ Int+3}
 99204 | Zig:23   | Identified the +0 fire dragon scales "Vojiac" {rF++ rC- rN+
                  | Str+3}
 99206 | Zig:23   | Identified the +8 spear "Hellblazer" {flame, rCorr Dex+6}
 99209 | Zig:23   | Identified the +7 scimitar "Iggur" {freeze, ^Drain rPois
                  | SInv}
 99214 | Zig:23   | Identified the +7 spear "Hemuyxuih" {antimagic, *Slow rElec
                  | rN+ Dex+3}
 99320 | Zig:24   | Entered Level 24 of a ziggurat
 99533 | Zig:24   | Identified the +6 broad axe of the Cursing Whale {venom,
                  | *Rage Int+7}
 99536 | Zig:24   | Identified the +0 short sword of Niop {flame, Dex+4}
 99537 | Zig:24   | Identified the +6 arbalest "Ponkuf" {freeze, rF+ Str-3
                  | Int+3 Dex+8}
 99539 | Zig:24   | Identified the staff "Sewk" {+Blink rF+++ rN+ Str-5 Dex+3
                  | Necro}
 99718 | Zig:25   | Entered Level 25 of a ziggurat
100047 | Zig:25   | Identified the +9 hand axe of Apeihut {freeze, Str+4}
100051 | Zig:25   | Identified the +1 falchion "Eviscerator" {drain, Will++
                  | MP+9}
100174 | Zig:26   | Entered Level 26 of a ziggurat
100215 | Zig:26   | Noticed Daovacoa the pandemonium lord
100219 | Zig:26   | Killed Daovacoa the pandemonium lord
100436 | Zig:26   | Found the macabre finger necklace {Finger+ rN+}
100456 | Zig:26   | Identified the +0 cloak "Loptouzu" {rElec rF++}
100464 | Zig:26   | Identified the +5 mace "Sowehes" {flame, Str+3 Dex-4}
100466 | Zig:26   | Identified the ring "Dess" {Wiz rF+ Dex+5}
100471 | Zig:26   | Identified the staff "Goblinbane" {rN+ Int+3 Necro}
100485 | Zig:26   | Identified the +0 pair of gloves "Ryfeb" {Str+2}
100506 | Zig:26   | Identified the +9 short sword "Guaceng" {vamp, rC+}
100619 | Zig:27   | Entered Level 27 of a ziggurat
100652 | Zig:27   | Reached skill level 5 in Air Magic
100940 | Zig:27   | Identified the ring of Geobopp {rPois rN+}
100947 | Zig:27   | Identified the ring "Ynejaox" {Wiz rN+}
100965 | Zig:27   | Identified the +2 leather armour "Maxt" {rElec}
100989 | Zig:27   | Identified the +6 rapier of Reil {freeze, Will+ Str+2}
100992 | Zig:27   | Identified the +11 mace "Newtslayer" {vamp, rElec rPois rC+
                  | Will-}
101259 | Depths:3 | Lost mutation: You occasionally shout uncontrollably at
                  | your foes. [potion of mutation]
101259 | Depths:3 | Lost mutation: Your muscles are strong. (Str +4, Int/Dex
                  | -1) [potion of mutation]
101259 | Depths:3 | Gained mutation: You do not regenerate when monsters are
                  | visible. [potion of mutation]
101259 | Depths:3 | Gained mutation: You are agile. (Dex +4, Str/Int -1)
                  | [potion of mutation]
101260 | Depths:3 | Lost mutation: You do not regenerate when monsters are
                  | visible. [potion of mutation]
101260 | Depths:3 | Lost mutation: You are agile. (Dex +4, Str/Int -1) [potion
                  | of mutation]
101260 | Depths:3 | Lost mutation: You are robust. (+10% HP) [potion of
                  | mutation]
101260 | Depths:3 | Gained mutation: You are frail. (-10% HP) [potion of
                  | mutation]
101260 | Depths:3 | Gained mutation: Armour fits poorly on your strangely
                  | shaped body. [potion of mutation]
101261 | Depths:3 | Lost mutation: You are frail. (-10% HP) [potion of
                  | mutation]
101261 | Depths:3 | Lost mutation: Armour fits poorly on your strangely shaped
                  | body. [potion of mutation]
101261 | Depths:3 | Gained mutation: You are robust. (+10% HP) [potion of
                  | mutation]
101261 | Depths:3 | Gained mutation: You expend magic power (3 MP) to
                  | strengthen your wands. [potion of mutation]
101262 | Depths:3 | Lost mutation: You are robust. (+10% HP) [potion of
                  | mutation]
101262 | Depths:3 | Lost mutation: You expend magic power (3 MP) to strengthen
                  | your wands. [potion of mutation]
101262 | Depths:3 | Gained mutation: You occasionally lose the ability to drink
                  | potions when taking damage. [potion of mutation]
101263 | Depths:3 | Lost mutation: You occasionally lose the ability to drink
                  | potions when taking damage. [potion of mutation]
101263 | Depths:3 | Gained mutation: You are agile. (Dex +4, Str/Int -1)
                  | [potion of mutation]
101263 | Depths:3 | Gained mutation: You expend magic power (3 MP) to
                  | strengthen your wands. [potion of mutation]
101264 | Depths:3 | Lost mutation: You expend magic power (3 MP) to strengthen
                  | your wands. [potion of mutation]
101264 | Depths:3 | Lost mutation: You are agile. (Dex +4, Str/Int -1) [potion
                  | of mutation]
101264 | Depths:3 | Gained mutation: You are dopey. (Int -2) [potion of
                  | mutation]
101264 | Depths:3 | Gained mutation: You expend magic power (3 MP) to
                  | strengthen your wands. [potion of mutation]
101264 | Depths:3 | Lost mutation: You are dopey. (Int -2) [potion of mutation]
101264 | Depths:3 | Gained mutation: Your mind is acute. (Int +4, Str/Dex -1)
                  | [potion of mutation]
101265 | Depths:3 | Lost mutation: Your mind is acute. (Int +4, Str/Dex -1)
                  | [potion of mutation]
101265 | Depths:3 | Lost mutation: You expend magic power (3 MP) to strengthen
                  | your wands. [potion of mutation]
101265 | Depths:3 | Gained mutation: Your body sometimes deteriorates upon
                  | taking damage. [potion of mutation]
101265 | Depths:3 | Gained mutation: You are agile. (Dex +4, Str/Int -1)
                  | [potion of mutation]
101266 | Depths:3 | Lost mutation: Your body sometimes deteriorates upon taking
                  | damage. [potion of mutation]
101266 | Depths:3 | Lost mutation: You are agile. (Dex +4, Str/Int -1) [potion
                  | of mutation]
101266 | Depths:3 | Gained mutation: You are weak. (Str -2) [potion of
                  | mutation]
101266 | Depths:3 | Gained mutation: Your flesh is cold resistant. (rC+)
                  | [potion of mutation]
101266 | Depths:3 | Gained mutation: You expend magic power (3 MP) to
                  | strengthen your wands. [potion of mutation]
101267 | Depths:3 | Lost mutation: You expend magic power (3 MP) to strengthen
                  | your wands. [potion of mutation]
101267 | Depths:3 | Lost mutation: Your flesh is cold resistant. (rC+) [potion
                  | of mutation]
101267 | Depths:3 | Lost mutation: You are weak. (Str -2) [potion of mutation]
101267 | Depths:3 | Gained mutation: You have large cloven feet. [potion of
                  | mutation]
101268 | Depths:3 | Lost mutation: You have large cloven feet. [potion of
                  | mutation]
101268 | Depths:3 | Gained mutation: You have a pair of small antennae on your
                  | head. [potion of mutation]
101268 | Depths:3 | Gained mutation: Your body sometimes deteriorates upon
                  | taking damage. [potion of mutation]
101268 | Depths:3 | Gained mutation: Your flesh is heat resistant. (rF+)
                  | [potion of mutation]
101269 | Depths:3 | Lost mutation: Your body sometimes deteriorates upon taking
                  | damage. [potion of mutation]
101269 | Depths:3 | Lost mutation: You have a pair of small antennae on your
                  | head. [potion of mutation]
101269 | Depths:3 | Gained mutation: You are agile. (Dex +4, Str/Int -1)
                  | [potion of mutation]
101269 | Depths:3 | Gained mutation: You are strong-willed. (Will+) [potion of
                  | mutation]
101269 | Depths:3 | Lost mutation: Your flesh is heat resistant. (rF+) [potion
                  | of mutation]
101269 | Depths:3 | Gained mutation: You are partially covered in iridescent
                  | scales. (AC +2) [potion of mutation]
101275 | Depths:3 | Lost mutation: You are partially covered in iridescent
                  | scales. (AC +2) [potion of mutation]
101275 | Depths:3 | Lost mutation: You are agile. (Dex +4, Str/Int -1) [potion
                  | of mutation]
101275 | Depths:3 | Gained mutation: You are vulnerable to cold. (rC-) [potion
                  | of mutation]
101275 | Depths:3 | Gained mutation: You possess an exceptional clarity of
                  | mind. [potion of mutation]
101313 | Zig:1    | Entered Level 1 of a ziggurat
101343 | Zig:2    | Entered Level 2 of a ziggurat
101358 | Zig:2    | Identified the +2 sling "Xupsoeri" {elec, rC+ Str+3 Int+3}
101370 | Zig:3    | Entered Level 3 of a ziggurat
101370 | Zig:3    | Noticed a royal mummy
101373 | Zig:3    | Killed a royal mummy
101403 | Zig:4    | Entered Level 4 of a ziggurat
101435 | Zig:5    | Entered Level 5 of a ziggurat
101435 | Zig:5    | Noticed a royal mummy
101442 | Zig:5    | Killed a royal mummy
101564 | Zig:6    | Entered Level 6 of a ziggurat
101566 | Zig:6    | Noticed a juggernaut
101570 | Zig:6    | Reached skill level 10 in Air Magic
101570 | Zig:6    | Killed a juggernaut
101612 | Zig:7    | Entered Level 7 of a ziggurat
101673 | Zig:7    | Identified the +8 orcbow of the Smoking Hero {heavy,
                  | *Corrode rElec Str+3}
101710 | Zig:8    | Entered Level 8 of a ziggurat
101716 | Zig:8    | Found the amulet of Vitality {RegenMP++ Regen++}
101771 | Zig:8    | Identified the ring "Ceqer" {Ice Fly rElec Str-4 Int+2}
101806 | Zig:9    | Entered Level 9 of a ziggurat
101814 | Zig:9    | Noticed Rovielabu the pandemonium lord
101816 | Zig:9    | Noticed Mudott the pandemonium lord
101823 | Zig:9    | Killed Mudott the pandemonium lord
101825 | Zig:9    | Killed Rovielabu the pandemonium lord
101924 | Zig:9    | Identified the +9 trident "Subuc" {flame, rN+}
101984 | Zig:10   | Entered Level 10 of a ziggurat
101991 | Zig:10   | Noticed an ancient lich
101992 | Zig:10   | Killed an ancient lich
102001 | Zig:10   | Found the +8 trishula "Condemnation" {holy, anguish, *Noise
                  | Fly rN+}
102102 | Zig:10   | Identified the +9 scimitar of Isi Oquogi {vamp, rN+ Dex+5}
102194 | Zig:11   | Entered Level 11 of a ziggurat
102207 | Zig:11   | Reached skill level 15 in Air Magic
102263 | Zig:11   | Identified the +11 short sword of the Devouring Seeker
                  | {vamp, rPois SInv}
102272 | Zig:11   | Identified the staff of Dishonour {rElec Will+ Air}
102273 | Zig:11   | Identified the amulet of Sefrocri {Reflect Regen+ Str+2
                  | Int+3 SH+5}
102275 | Zig:11   | Identified the +0 pair of gloves of Hedging {SInv}
102286 | Zig:11   | Identified the ring "Kuymer" {Str+2 Int+6}
102348 | Zig:12   | Entered Level 12 of a ziggurat
102356 | Zig:12   | Noticed a juggernaut
102362 | Zig:12   | Killed a juggernaut
102365 | Zig:12   | Found the brooch of Shielding {Spirit SH+8}
102471 | Zig:12   | Identified the +6 halberd of Gysuonwo {venom, Int+3}
102475 | Zig:12   | Identified the +8 hand axe "Ituodie" {vamp, *Rage ^Drain
                  | rN+++ SInv}
102540 | Zig:13   | Entered Level 13 of a ziggurat
102615 | Zig:13   | Identified the amulet of Xuowuc {^Contam rElec rPois Regen+
                  | Stlth+}
102617 | Zig:13   | Identified the +0 sling of Gyrpha {freeze, Int+5}
102728 | Zig:14   | Entered Level 14 of a ziggurat
102867 | Zig:14   | Identified the +8 battleaxe "Lafen" {protect, Int+6}
102871 | Zig:14   | Identified the +3 dagger of Ucveah {pain, Dex+2}
102962 | Zig:15   | Entered Level 15 of a ziggurat
103177 | Zig:15   | Identified the ring "Firr" {Wiz Int+2}
103183 | Zig:15   | Identified the amulet "Daucif" {Spirit rC++ Dex+2}
103233 | Zig:16   | Entered Level 16 of a ziggurat
103252 | Zig:16   | Found the +8 longbow "Zephyr" {speed, Dex+3 SInv}
103469 | Zig:16   | Identified the +8 dagger of the Distant Future {venom,
                  | rElec rN++ Stlth-}
103573 | Zig:17   | Entered Level 17 of a ziggurat
103745 | Zig:17   | Identified the +2 leather armour "Hero's Friend" {Will+}
103746 | Zig:17   | Identified the staff of Past Mistakes {Air Earth}
103847 | Zig:18   | Entered Level 18 of a ziggurat
103989 | Zig:18   | Identified the +3 glaive of Topafrai {drain, rPois}
104049 | Zig:18   | Identified the +1 shortbow of a Billion Eyes {freeze, rF+
                  | rCorr}
104054 | Zig:18   | Identified the ring "Idoacreafu" {Fire Dex+4}
104091 | Zig:18   | Identified the +6 chain mail of Haunted Contentment {rF+}
104094 | Zig:18   | Identified the staff of Gyhudipn {rPois rC+ Alchemy}
104159 | Zig:19   | Entered Level 19 of a ziggurat
104294 | Zig:19   | Identified the +8 plate armour "Geluomok" {rF- Int+3}
104298 | Zig:19   | Identified the +3 great mace of Suef {heavy, Fly rElec
                  | SInv}
104308 | Zig:19   | Identified the amulet "Zuntebei" {Spirit rElec rN+ Will+
                  | Str-2}
104481 | Zig:20   | Entered Level 20 of a ziggurat
104750 | Zig:20   | Identified the +5 quarterstaff "Piuphey" {vamp, rCorr MP-9
                  | Str+3}
104752 | Zig:20   | Identified the ring of Seenigy {rF- rN+ MP+9 Slay+5 Stlth+}
104788 | Zig:20   | Got the Essays on Impure Battle Magic
104789 | Zig:20   | Identified the +0 robe "Doysusis" {rPois MP+9 Dex-5
                  | Archmagi}
104792 | Zig:20   | Identified the +1 hand axe of Nigungiro {pain, rF++ Str+2
                  | Int+3}
104808 | Zig:20   | Identified the +4 executioner's axe "Stringbean" {drain,
                  | Dex+3}
104809 | Zig:20   | Identified the +2 pair of gloves of Pycset Ejaew {*Corrode
                  | rN++ Regen+ Str-5}
104872 | Zig:21   | Entered Level 21 of a ziggurat
104894 | Zig:21   | Noticed Nereuqul the pandemonium lord
104896 | Zig:21   | Killed Nereuqul the pandemonium lord
105087 | Zig:21   | Identified the +8 war axe "Efafong" {drain, rN+ rCorr}
105091 | Zig:21   | Identified the staff "Pouba" {rN+ Will+ Dex-4 Conj}
105099 | Zig:21   | Identified the +5 dagger of the First Tables {heavy, rF+
                  | Str+3 Int+2}
105109 | Zig:21   | Identified the +7 scimitar of Gunken {antimagic, rF+ Str+3}
105185 | Zig:22   | Entered Level 22 of a ziggurat
105441 | Zig:22   | Found the +1 cloak of Starlight {*Dazzle EV+4 Stlth--}
105451 | Zig:22   | Identified the amulet "Fyjoebbu" {Reflect rN+ SH+5}
105459 | Zig:22   | Acquired the ring of Fexuj {rC- Will+++ Str+3 Int+3 Dex+6}
105484 | Zig:22   | Identified the +6 dagger "Vadexefa" {holy, rN+ Int+3 Dex+2}
105587 | Zig:23   | Entered Level 23 of a ziggurat
105618 | Zig:23   | Reached skill level 15 in Conjurations
105935 | Zig:23   | Identified the +11 rapier of the Leaping Gods {flame, rElec
                  | rC+ Will+ Int-2}
105943 | Zig:23   | Identified the +1 scale mail of Makhleb's Condemnation
                  | {rElec}
105947 | Zig:23   | Identified the staff "Asoholoa" {rElec Str+4 Air}
105950 | Zig:23   | Identified the amulet "Ligy Den" {Faith rF+ rCorr Str+3
                  | Dex+3}
105957 | Zig:23   | Identified the +10 dagger "Killer Klown's Bane" {pain,
                  | Int+7 Dex-3 Stlth+}
106044 | Zig:24   | Entered Level 24 of a ziggurat
106062 | Zig:24   | Noticed an orb of fire
106068 | Zig:24   | Noticed an orb of fire
106069 | Zig:24   | Noticed an orb of fire
106069 | Zig:24   | Noticed an orb of fire
106070 | Zig:24   | Noticed an orb of fire
106070 | Zig:24   | Noticed an orb of fire
106071 | Zig:24   | Noticed an orb of fire
106071 | Zig:24   | Killed an orb of fire
106077 | Zig:24   | Killed an orb of fire
106078 | Zig:24   | Noticed an orb of fire
106079 | Zig:24   | Killed an orb of fire
106079 | Zig:24   | Killed an orb of fire
106079 | Zig:24   | Killed an orb of fire
106080 | Zig:24   | Noticed an orb of fire
106085 | Zig:24   | Killed an orb of fire
106086 | Zig:24   | Killed an orb of fire
106087 | Zig:24   | Killed an orb of fire
106087 | Zig:24   | Killed an orb of fire
106254 | Zig:24   | Identified the ring of the Aged Xeniums {Fire Str+3 Dex+3}
106256 | Zig:24   | Identified the +0 great sword of Gozag's Benevolence {vamp,
                  | Str+5}
106289 | Zig:24   | Identified the +1 longbow of Mekkyic {flame, rN+ Str+2
                  | Int+4 Dex-3}
106428 | Zig:25   | Entered Level 25 of a ziggurat
106813 | Zig:25   | Identified the ring of Nievoyga {+Blink Slay+4}
106815 | Zig:25   | Identified the amulet "Lucobla" {RegenMP Dex+2}
106830 | Zig:25   | Identified the +7 plate armour of the Imp {rCorr Str-4
                  | Dex+8}
106840 | Zig:25   | Identified the ring "Bejaku Nua" {rPois Will- Str+6 Stlth+}
106865 | Zig:25   | Identified the +2 robe of a treasure trove {rElec Will++
                  | Slay+5}
106882 | Zig:25   | Identified the +8 hand cannon of Mastery {freeze, rF++
                  | rCorr Dex-5}
106974 | Zig:26   | Entered Level 26 of a ziggurat
107070 | Zig:26   | Noticed Bylesem the pandemonium lord
107072 | Zig:26   | Killed Bylesem the pandemonium lord
107331 | Zig:26   | Identified the +7 longbow of Untimely Demise {flame, Int+4}
107333 | Zig:26   | Identified the +4 spear of the Feather {flame, rElec rPois
                  | rC+ Dex+3}
107340 | Zig:26   | Identified the staff "Ginimos" {rC+ rN+ MP+9 Dex+3 Tloc
                  | Ice}
107345 | Zig:26   | Identified the +6 quarterstaff "Dragonbane" {flame, rElec
                  | rN+ Stlth+}
107464 | Zig:27   | Entered Level 27 of a ziggurat
107484 | Zig:27   | Reached skill level 5 in Dodging
107496 | Zig:27   | Noticed an ancient lich
107498 | Zig:27   | Killed an ancient lich
107529 | Zig:27   | Reached skill level 10 in Dodging
107779 | Zig:27   | Identified the +5 falchion of Pacsecwe {drain, rC+}
107831 | Zig:27   | Identified the ring "Onnuel" {rElec rPois}
107837 | Zig:27   | Identified the amulet of Ixyr {Faith rC+}
107848 | Zig:27   | Identified the +6 lajatang of Karma {drain, rElec Int+5
                  | SInv Stlth-}
108112 | Pan      | Entered Pandemonium
108185 | Pan      | Reached skill level 1 in Staves
108469 | Pan      | Reached skill level 5 in Staves
108832 | Pan      | Noticed Ignacio
108838 | Pan      | Killed Ignacio
109171 | Pan      | Noticed His Toek the pandemonium lord
109192 | Pan      | Killed His Toek the pandemonium lord
109193 | Pan      | Reached skill level 10 in Staves
109306 | Pan      | Found an exit through the horrors of the Abyss.
109515 | Pan      | Identified the +1 giant spiked club of Anger {freeze, rElec
                  | rF+ rC+ rCorr}
109530 | Pan      | Identified the +4 morningstar of Mutuji {pain, rPois Int+3
                  | Stlth-}
109678 | Pan      | Noticed Ygutae the pandemonium lord
109685 | Pan      | Killed Ygutae the pandemonium lord
109806 | Pan      | Got a demonic rune of Zot
110125 | Pan      | Found a transporter.
110131 | Pan      | Identified the ring "Naus Fomm" {Fire Stlth+}
110328 | Pan      | Identified the ring "Wiur" {Fly Dex+2}
110352 | Pan      | Found a transporter.
110694 | Pan      | Found a runed translucent door.
110702 | Pan      | Found a runed translucent door.
110702 | Pan      | Found a runed translucent door.
110710 | Pan      | Noticed Qaypsono the pandemonium lord
110712 | Pan      | Killed Qaypsono the pandemonium lord
110736 | Pan      | Found a runed translucent door.
111019 | Pan      | Noticed Poab the pandemonium lord
111157 | Pan      | Killed Poab the pandemonium lord
111253 | Pan      | Entered the realm of Mnoleg.
111253 | Pan      | Noticed Mnoleg
111262 | Pan      | Killed Mnoleg
111384 | Pan      | Identified the ring of Idatats {rC+ Str+6 Int+6}
111413 | Pan      | Got a glowing rune of Zot
111561 | Pan      | Noticed Mennas
111566 | Pan      | Killed Mennas
111593 | Pan      | Reached skill level 15 in Throwing
111728 | Pan      | Entered the realm of Gloorx Vloq.
111765 | Pan      | Found an exit through the horrors of the Abyss.
112134 | Pan      | Noticed Gloorx Vloq
112144 | Pan      | Killed Gloorx Vloq
112161 | Pan      | Got a dark rune of Zot
112347 | Pan      | Noticed Amauv the pandemonium lord
112350 | Pan      | Killed Amauv the pandemonium lord
112447 | Pan      | Found an exit through the horrors of the Abyss.
113250 | Pan      | Entered the realm of Cerebov.
113487 | Pan      | Identified the +6 broad axe of Jofux {freeze, +Blink rElec
                  | rF- rCorr}
113517 | Pan      | Identified the ring "Ucuuxkyn" {rCorr Int+3}
113535 | Pan      | Identified the +11 rapier "Hayff" {protect, rF- Str+3
                  | Int+2}
113535 | Pan      | Identified the amulet "Omeniroe" {Acrobat rF+++}
113632 | Pan      | Identified the staff "Pytuac" {rF+ Str-4 Int+6 Fire Ice
                  | Earth}
113655 | Pan      | Found the +6 sword of Cerebov {flame}
113655 | Pan      | Noticed Cerebov
113668 | Pan      | Killed Cerebov
113707 | Pan      | Got a fiery rune of Zot
113711 | Pan      | Identified the +0 scale mail "Silad" {rN+ Will+}
113753 | Pan      | Identified the +12 shortbow of Jietugg {drain, MP+9 Int+3}
114138 | Pan      | Noticed Fose the pandemonium lord
114277 | Pan      | Identified the +10 hand axe of the Blind Eye {drain, rElec
                  | rF+ Will++ Str-3 SInv}
114503 | Pan      | Killed Fose the pandemonium lord
114695 | Pan      | Reached skill level 1 in Translocations
114737 | Pan      | Identified the +2 quarterstaff of the Eternal Warrior
                  | {pain, *Noise Str+6 Dex-2 Stlth+}
114850 | Pan      | Found an exit through the horrors of the Abyss.
114880 | Pan      | Found a runed translucent door.
114887 | Pan      | Found a runed translucent door.
114941 | Pan      | Reached skill level 5 in Translocations
115198 | Pan      | Found an exit through the horrors of the Abyss.
115220 | Pan      | Noticed Myttau the pandemonium lord
115229 | Pan      | Killed Myttau the pandemonium lord
115233 | Pan      | Reached skill level 10 in Translocations
115694 | Pan      | Entered the realm of Lom Lobon.
115696 | Pan      | :finally
115822 | Pan      | Found an exit through the horrors of the Abyss.
116170 | Pan      | Noticed Lom Lobon
116184 | Pan      | Killed Lom Lobon
116197 | Pan      | Identified the +4 helmet of Qatosyze {rN+}
116218 | Pan      | Got a magical rune of Zot
116328 | Depths:3 | Escaped Pandemonium
116393 | Depths:3 | Lost mutation: You are vulnerable to cold. (rC-) [potion of
                  | mutation]
116393 | Depths:3 | Lost mutation: You are strong-willed. (Will+) [potion of
                  | mutation]
116393 | Depths:3 | Lost mutation: You possess an exceptional clarity of mind.
                  | [potion of mutation]
116393 | Depths:3 | Gained mutation: You occasionally lose the ability to drink
                  | potions when taking damage. [potion of mutation]
116393 | Depths:3 | Gained mutation: You have a pair of small horns on your
                  | head. [potion of mutation]
116393 | Depths:3 | Gained mutation: You are weak. (Str -2) [potion of
                  | mutation]
116394 | Depths:3 | Lost mutation: You are weak. (Str -2) [potion of mutation]
116394 | Depths:3 | Lost mutation: You occasionally lose the ability to drink
                  | potions when taking damage. [potion of mutation]
116394 | Depths:3 | Gained mutation: You have sharp fingernails. [potion of
                  | mutation]
116394 | Depths:3 | Gained mutation: Your muscles are strong. (Str +4, Int/Dex
                  | -1) [potion of mutation]
116394 | Depths:3 | Gained mutation: You have hidden genetic defects. [potion
                  | of mutation]
116395 | Depths:3 | Lost mutation: You have hidden genetic defects. [potion of
                  | mutation]
116395 | Depths:3 | Lost mutation: Your muscles are strong. (Str +4, Int/Dex
                  | -1) [potion of mutation]
116395 | Depths:3 | Lost mutation: You have a pair of small horns on your head.
                  | [potion of mutation]
116395 | Depths:3 | Gained mutation: You have hidden genetic defects. [potion
                  | of mutation]
116395 | Depths:3 | Gained mutation: You are frail. (-10% HP) [potion of
                  | mutation]
116395 | Depths:3 | Gained mutation: You have very sharp fingernails. [potion
                  | of mutation]
116396 | Depths:3 | Lost mutation: You have very sharp fingernails. [potion of
                  | mutation]
116396 | Depths:3 | Lost mutation: You are frail. (-10% HP) [potion of
                  | mutation]
116396 | Depths:3 | Gained mutation: You are dopey. (Int -2) [potion of
                  | mutation]
116396 | Depths:3 | Gained mutation: Your skin changes colour to match your
                  | surroundings (Stealth+). [potion of mutation]
116396 | Depths:3 | Gained mutation: You are partially covered in iridescent
                  | scales. (AC +2) [potion of mutation]
116397 | Depths:3 | Lost mutation: Your skin changes colour to match your
                  | surroundings (Stealth+). [potion of mutation]
116397 | Depths:3 | Lost mutation: You have sharp fingernails. [potion of
                  | mutation]
116397 | Depths:3 | Lost mutation: You are dopey. (Int -2) [potion of mutation]
116397 | Depths:3 | Gained mutation: Your magical capacity is low. (-10% MP)
                  | [potion of mutation]
116397 | Depths:3 | Gained mutation: You are partially covered in large bone
                  | plates. (SH +4) [potion of mutation]
116398 | Depths:3 | Lost mutation: You are partially covered in iridescent
                  | scales. (AC +2) [potion of mutation]
116398 | Depths:3 | Lost mutation: Your magical capacity is low. (-10% MP)
                  | [potion of mutation]
116398 | Depths:3 | Gained mutation: You are partially covered in iridescent
                  | scales. (AC +2) [potion of mutation]
116399 | Depths:3 | Lost mutation: You are partially covered in large bone
                  | plates. (SH +4) [potion of mutation]
116399 | Depths:3 | Lost mutation: You have hidden genetic defects. [potion of
                  | mutation]
116399 | Depths:3 | Lost mutation: You are partially covered in iridescent
                  | scales. (AC +2) [potion of mutation]
116399 | Depths:3 | Gained mutation: You have large cloven feet. [potion of
                  | mutation]
116399 | Depths:3 | Gained mutation: Your flesh is heat resistant. (rF+)
                  | [potion of mutation]
116400 | Depths:3 | Lost mutation: Your flesh is heat resistant. (rF+) [potion
                  | of mutation]
116400 | Depths:3 | Lost mutation: You have large cloven feet. [potion of
                  | mutation]
116400 | Depths:3 | Gained mutation: A frigid envelope surrounds you and
                  | freezes all who hurt you. [potion of mutation]
116400 | Depths:3 | Gained mutation: You have sharp fingernails. [potion of
                  | mutation]
116401 | Depths:3 | Lost mutation: A frigid envelope surrounds you and freezes
                  | all who hurt you. [potion of mutation]
116401 | Depths:3 | Lost mutation: You have sharp fingernails. [potion of
                  | mutation]
116401 | Depths:3 | Gained mutation: You are weak. (Str -2) [potion of
                  | mutation]
116401 | Depths:3 | Gained mutation: You are frail. (-10% HP) [potion of
                  | mutation]
116401 | Depths:3 | Gained mutation: You are clumsy. (Dex -2) [potion of
                  | mutation]
116401 | Depths:3 | Gained mutation: Your spells are a little harder to cast,
                  | but a little more powerful. [potion of mutation]
116402 | Depths:3 | Lost mutation: You are frail. (-10% HP) [potion of
                  | mutation]
116402 | Depths:3 | Lost mutation: Your spells are a little harder to cast, but
                  | a little more powerful. [potion of mutation]
116402 | Depths:3 | Lost mutation: You are clumsy. (Dex -2) [potion of
                  | mutation]
116402 | Depths:3 | Gained mutation: Your magical capacity is low. (-10% MP)
                  | [potion of mutation]
116402 | Depths:3 | Lost mutation: You are weak. (Str -2) [potion of mutation]
116403 | Depths:3 | Lost mutation: Your magical capacity is low. (-10% MP)
                  | [potion of mutation]
116403 | Depths:3 | Gained mutation: Your magical capacity is low. (-10% MP)
                  | [potion of mutation]
116403 | Depths:3 | Gained mutation: You expend magic power (3 MP) to
                  | strengthen your wands. [potion of mutation]
116404 | Depths:3 | Lost mutation: Your magical capacity is low. (-10% MP)
                  | [potion of mutation]
116404 | Depths:3 | Lost mutation: You expend magic power (3 MP) to strengthen
                  | your wands. [potion of mutation]
116404 | Depths:3 | Gained mutation: You have a pair of small horns on your
                  | head. [potion of mutation]
116404 | Depths:3 | Gained mutation: You have large cloven feet. [potion of
                  | mutation]
116405 | Depths:3 | Lost mutation: You have large cloven feet. [potion of
                  | mutation]
116405 | Depths:3 | Lost mutation: You have a pair of small horns on your head.
                  | [potion of mutation]
116405 | Depths:3 | Gained mutation: You passively map a small area around you.
                  | [potion of mutation]
116405 | Depths:3 | Gained mutation: You possess an exceptional clarity of
                  | mind. [potion of mutation]
116405 | Depths:3 | Gained mutation: Your muscles are strong. (Str +4, Int/Dex
                  | -1) [potion of mutation]
116420 | Zig:1    | Entered Level 1 of a ziggurat
116438 | Zig:2    | Entered Level 2 of a ziggurat
116467 | Zig:3    | Entered Level 3 of a ziggurat
116503 | Zig:3    | Identified the +0 robe "Kireal" {Dex+3}
116551 | Zig:4    | Entered Level 4 of a ziggurat
116631 | Zig:5    | Entered Level 5 of a ziggurat
116681 | Zig:6    | Entered Level 6 of a ziggurat
116737 | Zig:6    | Identified the +6 plate armour "Jawnowne" {+Inv SInv}
116753 | Zig:7    | Entered Level 7 of a ziggurat
116840 | Zig:8    | Entered Level 8 of a ziggurat
116847 | Zig:8    | Noticed an ancient lich
116849 | Zig:8    | Killed an ancient lich
116853 | Zig:8    | Found the amulet of the Four Winds {rN+ Will+++ Clar}
116914 | Zig:8    | Identified the ring "Palucwa" {Will+ Slay+3}
116928 | Zig:9    | Entered Level 9 of a ziggurat
116935 | Zig:9    | Noticed an ancient lich
116935 | Zig:9    | Noticed a dread lich
116936 | Zig:9    | Noticed an ancient lich
116936 | Zig:9    | Noticed an ancient lich
116936 | Zig:9    | Noticed a dread lich
116937 | Zig:9    | Killed a dread lich
116937 | Zig:9    | Killed an ancient lich
116938 | Zig:9    | Killed an ancient lich
116938 | Zig:9    | Killed an ancient lich
116939 | Zig:9    | Killed a dread lich
116963 | Zig:9    | Identified the ring "Noheif" {rPois rF- rC+ Will+++ rCorr}
116983 | Zig:9    | Identified the amulet "Kufih" {Acrobat Dex+2}
116991 | Zig:9    | Identified the ring "Kynaes" {rC- Str+6 Int+7}
117006 | Zig:10   | Entered Level 10 of a ziggurat
117014 | Zig:10   | Noticed a dread lich
117016 | Zig:10   | Killed a dread lich
117016 | Zig:10   | Noticed a dread lich
117018 | Zig:10   | Killed a dread lich
117024 | Zig:10   | Found the +4 Cigotuvi's embrace {Corpsefed rMiasma ^Drain
                  | rN+}
117098 | Zig:10   | Identified the +0 acid dragon scales of Wiaxon {rElec rC+
                  | rCorr}
117140 | Zig:11   | Entered Level 11 of a ziggurat
117210 | Zig:11   | Identified the ring of the Voivode {rC+ MP+9}
117212 | Zig:11   | Identified the ring "Beid" {rN+ Dex+2 Slay+4}
117218 | Zig:11   | Identified the +5 long sword "Zelyxas" {spect, rElec Dex+4}
117269 | Zig:12   | Entered Level 12 of a ziggurat
117279 | Zig:12   | Noticed an orb of fire
117279 | Zig:12   | Noticed an orb of fire
117280 | Zig:12   | Noticed an orb of fire
117280 | Zig:12   | Noticed an orb of fire
117283 | Zig:12   | Killed an orb of fire
117283 | Zig:12   | Noticed an orb of fire
117284 | Zig:12   | Killed an orb of fire
117284 | Zig:12   | Killed an orb of fire
117284 | Zig:12   | Killed an orb of fire
117286 | Zig:12   | Reached skill level 15 in Dodging
117287 | Zig:12   | Killed an orb of fire
117324 | Zig:12   | Identified the +4 robe "Tianavak" {rPois}
117344 | Zig:12   | Identified the +8 chain mail of the Trombone {rF+}
117359 | Zig:12   | Identified the +1 leather armour of Simaliog {Dex+4}
117412 | Zig:13   | Entered Level 13 of a ziggurat
117509 | Zig:13   | Identified the +5 steam dragon scales of Birdsong {+Blink
                  | rC+ Str+2}
117519 | Zig:13   | Identified the +0 war axe "Ymeg" {protect, rCorr Int+2}
117606 | Zig:14   | Entered Level 14 of a ziggurat
117621 | Zig:14   | Noticed a dread lich
117623 | Zig:14   | Killed a dread lich
117709 | Zig:14   | Identified the amulet of Giosusui {*Corrode rElec rC+
                  | Regen+ Int+2}
117712 | Zig:14   | Identified the ring "Duto Coi" {Ice rElec rPois Str+2
                  | Dex+3}
117720 | Zig:14   | Identified the +7 orcbow of Arcadian Courage {heavy, rPois
                  | Str+2 Int+2}
117793 | Zig:15   | Entered Level 15 of a ziggurat
117861 | Zig:15   | Identified the ring of Tijeshrae {rElec rPois rC++ Dex+6
                  | Stlth+}
117864 | Zig:15   | Identified the +1 hand axe of Conversion {distort, Int+2}
117951 | Zig:16   | Entered Level 16 of a ziggurat
117962 | Zig:16   | Noticed a dread lich
117963 | Zig:16   | Killed a dread lich
118136 | Zig:16   | Identified the +7 scimitar "Wucrae" {speed, rC+}
118194 | Zig:17   | Entered Level 17 of a ziggurat
118200 | Zig:17   | Noticed an orb of fire
118202 | Zig:17   | Noticed an orb of fire
118204 | Zig:17   | Noticed an orb of fire
118206 | Zig:17   | Killed an orb of fire
118206 | Zig:17   | Killed an orb of fire
118206 | Zig:17   | Noticed an orb of fire
118206 | Zig:17   | Noticed an orb of fire
118206 | Zig:17   | Noticed an orb of fire
118208 | Zig:17   | Noticed an orb of fire
118213 | Zig:17   | Killed an orb of fire
118213 | Zig:17   | Killed an orb of fire
118214 | Zig:17   | Killed an orb of fire
118216 | Zig:17   | Killed an orb of fire
118224 | Zig:17   | Killed an orb of fire
118228 | Zig:17   | Noticed an orb of fire
118233 | Zig:17   | Killed an orb of fire
118375 | Zig:17   | Identified the +0 chain mail of Yredelemnul's Delight
                  | {Rampage Will+}
118376 | Zig:17   | Identified the +8 scimitar of Bloody Death {flame, Str+4}
118381 | Zig:17   | Identified the ring "Agut" {*Corrode rPois rF+ Dex+4
                  | Stlth+}
118386 | Zig:17   | Identified the +1 quarterstaff "Onaugoo" {elec, ^Drain
                  | rCorr Dex+3}
118389 | Zig:17   | Identified the +4 trident "Toaqol" {spect, *Corrode rElec
                  | Str+4 Stlth+}
118410 | Zig:17   | Identified the ring of Yzaackepa {rPois rC++ Will+ Int+6
                  | Stlth+}
118457 | Zig:18   | Entered Level 18 of a ziggurat
118474 | Zig:18   | Noticed an ancient lich
118492 | Zig:18   | Killed an ancient lich
118656 | Zig:18   | Identified the +7 flail of the Thing {heavy, rElec rPois
                  | Stlth+}
118658 | Zig:18   | Identified the +5 long sword of the Gazing Augurer {drain,
                  | rN+ Will+}
118660 | Zig:18   | Identified the staff of Ykhlepnov {rElec rPois rF+ Str-4
                  | Air}
118667 | Zig:18   | Identified the ring of the Barnacle {rC+ Will++ Str+6
                  | Slay-6 SInv}
118756 | Zig:19   | Entered Level 19 of a ziggurat
118786 | Zig:19   | Found the necklace of Bloodlust {Fury *Rage Will++ Int-3
                  | Slay+6}
118857 | Zig:19   | Identified the staff "Licsir" {Summ Earth}
118860 | Zig:19   | Identified the staff of Intimidation {rPois Will++ Int+3
                  | Dex-3 Ice Alchemy}
118866 | Zig:19   | Identified the ring "Etilycoc" {rPois rF++ rN+}
118886 | Zig:19   | Identified the +0 plate armour "Hyqimm" {Int+3}
118898 | Zig:19   | Identified the ring of Todghy Zekhla {rElec rCorr SInv}
118906 | Zig:19   | Identified the +5 hand axe of the Philosopher {speed, *Rage
                  | rF+++ Int+3 Stlth+}
119156 | Zig:20   | Entered Level 20 of a ziggurat
119174 | Zig:20   | Noticed a royal mummy
119174 | Zig:20   | Noticed a royal mummy
119174 | Zig:20   | Noticed a royal mummy
119175 | Zig:20   | Noticed a royal mummy
119176 | Zig:20   | Noticed a royal mummy
119176 | Zig:20   | Noticed a royal mummy
119177 | Zig:20   | Killed a royal mummy
119177 | Zig:20   | Killed a royal mummy
119177 | Zig:20   | Killed a royal mummy
119177 | Zig:20   | Killed a royal mummy
119177 | Zig:20   | Noticed a royal mummy
119178 | Zig:20   | Killed a royal mummy
119178 | Zig:20   | Noticed a royal mummy
119179 | Zig:20   | Noticed a royal mummy
119179 | Zig:20   | Noticed a royal mummy
119179 | Zig:20   | Noticed a royal mummy
119179 | Zig:20   | Noticed a royal mummy
119180 | Zig:20   | Killed a royal mummy
119180 | Zig:20   | Killed a royal mummy
119181 | Zig:20   | Killed a royal mummy
119182 | Zig:20   | Killed a royal mummy
119182 | Zig:20   | Killed a royal mummy
119182 | Zig:20   | Killed a royal mummy
119184 | Zig:20   | Killed a royal mummy
119185 | Zig:20   | Noticed a royal mummy
119188 | Zig:20   | Noticed a royal mummy
119190 | Zig:20   | Killed a royal mummy
119190 | Zig:20   | Killed a royal mummy
119190 | Zig:20   | Noticed a royal mummy
119195 | Zig:20   | Killed a royal mummy
119198 | Zig:20   | Found the +8 orange crystal plate armour {Archmagi, Int+3
                  | Clar}
119244 | Zig:20   | Found the +9 sword of Power {lifebolt}
119320 | Zig:20   | Identified the +0 ring mail of the Earth {+Blink rC+++}
119321 | Zig:20   | Identified the +5 chain mail of the Planets {Int+4 Stlth+}
119364 | Zig:20   | Identified the +4 hand axe of Wondrous Power {protect,
                  | *Rage rC++ rN+ SInv}
119478 | Zig:21   | Entered Level 21 of a ziggurat
119489 | Zig:21   | Noticed Rilecay the pandemonium lord
119489 | Zig:21   | Noticed Zyokog the pandemonium lord
119492 | Zig:21   | Noticed Cofuvir the pandemonium lord
119495 | Zig:21   | Killed Rilecay the pandemonium lord
119495 | Zig:21   | Noticed Teom the pandemonium lord
119496 | Zig:21   | Noticed Nais the pandemonium lord
119497 | Zig:21   | Killed Zyokog the pandemonium lord
119498 | Zig:21   | Killed Nais the pandemonium lord
119498 | Zig:21   | Killed Teom the pandemonium lord
119498 | Zig:21   | Noticed Oruimoes the pandemonium lord
119499 | Zig:21   | Killed Cofuvir the pandemonium lord
119499 | Zig:21   | Noticed Upsaomeq the pandemonium lord
119501 | Zig:21   | Noticed Qenu the pandemonium lord
119502 | Zig:21   | Killed Oruimoes the pandemonium lord
119503 | Zig:21   | Noticed Suhoh Uxy the pandemonium lord
119503 | Zig:21   | Noticed Risyzal the pandemonium lord
119505 | Zig:21   | Killed Suhoh Uxy the pandemonium lord
119505 | Zig:21   | Killed Upsaomeq the pandemonium lord
119505 | Zig:21   | Killed Qenu the pandemonium lord
119505 | Zig:21   | Noticed Acvatat the pandemonium lord
119506 | Zig:21   | Killed Risyzal the pandemonium lord
119508 | Zig:21   | Noticed Buwaicze the pandemonium lord
119509 | Zig:21   | Killed Buwaicze the pandemonium lord
119509 | Zig:21   | Noticed Heabed the pandemonium lord
119509 | Zig:21   | Noticed Vilurut the pandemonium lord
119510 | Zig:21   | Noticed Ricum the pandemonium lord
119510 | Zig:21   | Noticed Lokebafu the pandemonium lord
119512 | Zig:21   | Killed Heabed the pandemonium lord
119513 | Zig:21   | Killed Acvatat the pandemonium lord
119513 | Zig:21   | Noticed Aluseewo the pandemonium lord
119514 | Zig:21   | Killed Vilurut the pandemonium lord
119514 | Zig:21   | Killed Aluseewo the pandemonium lord
119514 | Zig:21   | Killed Lokebafu the pandemonium lord
119514 | Zig:21   | Noticed Siamuyd the pandemonium lord
119515 | Zig:21   | Killed Ricum the pandemonium lord
119516 | Zig:21   | Killed Siamuyd the pandemonium lord
119516 | Zig:21   | Noticed Nyuf the pandemonium lord
119516 | Zig:21   | Noticed Derevuci the pandemonium lord
119522 | Zig:21   | Killed Nyuf the pandemonium lord
119523 | Zig:21   | Noticed Jujahab the pandemonium lord
119523 | Zig:21   | Noticed Zeip the pandemonium lord
119523 | Zig:21   | Noticed Rycioch the pandemonium lord
119524 | Zig:21   | Killed Derevuci the pandemonium lord
119526 | Zig:21   | Killed Zeip the pandemonium lord
119527 | Zig:21   | Noticed Ramy the pandemonium lord
119528 | Zig:21   | Killed Rycioch the pandemonium lord
119529 | Zig:21   | Killed Jujahab the pandemonium lord
119531 | Zig:21   | Killed Ramy the pandemonium lord
119534 | Zig:21   | Noticed Rerghathru the pandemonium lord
119538 | Zig:21   | Killed Rerghathru the pandemonium lord
119663 | Zig:21   | Found the +2 hood of the Assassin {Detect Stab+ Stlth++}
119672 | Zig:21   | Identified the +4 glaive of Sawen {freeze, Int+6}
119702 | Zig:21   | Identified the +3 arbalest of Contradiction {flame, Str+3}
119703 | Zig:21   | Identified the +3 glaive "Hufuajo" {flame, ^Fragile rPois
                  | rF+++ rC-}
119705 | Zig:21   | Identified the +9 great sword "Riqiecesif" {antimagic,
                  | ^Drain Int+5}
119762 | Zig:22   | Entered Level 22 of a ziggurat
120000 | Zig:22   | Found the +8 demon blade "Leech" {evervamp, Harm ^Drain
                  | rN+}
120060 | Zig:22   | Identified the ring of the Endless Expanse {rElec rCorr
                  | Str-3 Slay+4 SInv}
120064 | Zig:22   | Identified the ring "Amebb" {Int+6 SInv}
120231 | Zig:23   | Entered Level 23 of a ziggurat
120492 | Zig:23   | Identified the staff "Dazet" {rPois rC+ Str+2 Ice}
120515 | Zig:23   | Identified the ring of Xaaphuorch {Fly rPois rN+ Str+4
                  | Slay+5}
120524 | Zig:23   | Identified the staff "Killer Klown's Curse" {rF+ Conj}
120532 | Zig:23   | Identified the +7 mace of Xuohu {drain, rElec rF+ Will+
                  | rCorr}
120586 | Zig:24   | Entered Level 24 of a ziggurat
120827 | Zig:24   | Identified the +2 plate armour of the Fiend {Stlth+}
120830 | Zig:24   | Identified the +0 chain mail "Comofy" {rElec rPois}
120840 | Zig:24   | Identified the +4 gold dragon scales of Oblivion {Rampage
                  | rPois rF+ rC+ Str+2}
120842 | Zig:24   | Identified the +4 sling of Arbitration {freeze, rElec Str+4
                  | Dex-4}
120843 | Zig:24   | Identified the staff "Nuer Kikh" {^Drain rPois rF+ Int+8
                  | Alchemy}
120847 | Zig:24   | Identified the ring of Patsa {rElec rC+ Will- MP+9 Str+2}
120867 | Zig:24   | Identified the ring "Kaophoak" {MP+9 Dex+2}
120963 | Zig:25   | Entered Level 25 of a ziggurat
121181 | Zig:25   | Found the +5 robe of Night {Dark Will+ SInv}
121182 | Zig:25   | Found the +8 storm bow {elec, penet}
121193 | Zig:25   | Identified the +7 great sword of Departure {spect, +Blink
                  | rF+ rC+}
121204 | Zig:25   | Identified the +0 ring mail of Ytoi {rF+ Int+5 Dex-4}
121207 | Zig:25   | Identified the staff of Conscience {Conj Earth}
121209 | Zig:25   | Identified the staff "Soosur" {rPois rC+ Dex+2 Ice}
121210 | Zig:25   | Identified the +4 short sword of Armageddon {vamp, rC+
                  | MP+9}
121303 | Zig:26   | Entered Level 26 of a ziggurat
121347 | Zig:26   | Reached skill level 5 in Invocations
121609 | Zig:26   | Identified the +1 mace "Goblinslayer" {heavy, rC+ rN+}
121631 | Zig:26   | Identified the +1 shortbow of Laceration {drain, rPois}
121649 | Zig:27   | Entered Level 27 of a ziggurat
121673 | Zig:27   | Reached skill level 10 in Invocations
121721 | Zig:27   | Reached skill level 15 in Invocations
121998 | Zig:27   | Identified the +5 battleaxe of the Wraith {vamp, rC+ rN+
                  | Int+4}
122001 | Zig:27   | Identified the +3 hand axe of Strategic Superiority {drain,
                  | +Blink rElec rCorr Int+3}
122014 | Zig:27   | Identified the +8 spear "Dahal" {drain, ^Drain Int+3
                  | Stlth+}
122022 | Zig:27   | Identified the +0 scale mail of Incorporation {Regen+}
122034 | Zig:27   | Identified the +3 plate armour "Kacziasi" {Harm rPois rC++
                  | Int-3}
122294 | Zig:1    | Entered Level 1 of a ziggurat
122294 | Zig:1    | Noticed an ancient lich
122296 | Zig:1    | Killed an ancient lich
122309 | Zig:2    | Entered Level 2 of a ziggurat
122324 | Zig:2    | Identified the +4 chain mail "Sailiori" {-Tele rC+ rN+}
122337 | Zig:3    | Entered Level 3 of a ziggurat
122337 | Zig:3    | Noticed Ges Beo the pandemonium lord
122337 | Zig:3    | Found the +5 moon troll leather armour {Spirit, Regen++
                  | MP+5}
122340 | Zig:3    | Killed Ges Beo the pandemonium lord
122386 | Zig:4    | Entered Level 4 of a ziggurat
122418 | Zig:4    | Identified the +3 shortbow "Joyp" {heavy, rPois Int+3}
122445 | Zig:5    | Entered Level 5 of a ziggurat
122448 | Zig:5    | Noticed a juggernaut
122449 | Zig:5    | Noticed a juggernaut
122450 | Zig:5    | Killed a juggernaut
122450 | Zig:5    | Noticed a juggernaut
122451 | Zig:5    | Noticed a juggernaut
122453 | Zig:5    | Killed a juggernaut
122453 | Zig:5    | Killed a juggernaut
122453 | Zig:5    | Killed a juggernaut
122514 | Zig:5    | Identified the staff "Udir" {rCorr Conj}
122530 | Zig:6    | Entered Level 6 of a ziggurat
122613 | Zig:6    | Identified the ring of the Eye-covered Mango {rPois rC+
                  | Str-2 Dex+6}
122640 | Zig:7    | Entered Level 7 of a ziggurat
122649 | Zig:7    | Found the +8 demon trident "Rift" {distort, reach+}
122758 | Zig:8    | Entered Level 8 of a ziggurat
122833 | Zig:8    | Identified the +4 scimitar "Dudghaj" {speed, Str+2 Dex+3}
122859 | Zig:8    | Identified the +1 trident of Eternal Harmony {flame, ^Drain
                  | Will+ Int+2}
122886 | Zig:9    | Entered Level 9 of a ziggurat
122939 | Zig:9    | Identified the staff "Ugiats" {rElec Will+ Stlth+ Air}
122997 | Zig:10   | Entered Level 10 of a ziggurat
123008 | Zig:10   | Found the +10 dark maul {heavy}
123014 | Zig:10   | Found the +8 lance "Wyrmbane" {slay drac, rPois rF+ rC+
                  | AC+3}
123105 | Zig:10   | Identified the ring of Weyzurgh {rC+ Will+ MP+9 Str-5
                  | Int+3}
123107 | Zig:10   | Identified the staff "Beastslayer" {*Corrode rPois Will+
                  | Conj Alchemy}
123143 | Zig:11   | Entered Level 11 of a ziggurat
123223 | Zig:11   | Identified the +10 flail of Ymnuitew {flame, rPois MP+9
                  | Int+2}
123226 | Zig:11   | Identified the +1 robe of the Rose {rF+ rC- Dex+3}
123227 | Zig:11   | Identified the amulet "Zoegum" {Fly rN+ Will- Regen+ rCorr}
123369 | Zig:12   | Entered Level 12 of a ziggurat
123378 | Zig:12   | Noticed an ancient lich
123378 | Zig:12   | Noticed a dread lich
123379 | Zig:12   | Noticed an ancient lich
123380 | Zig:12   | Noticed a dread lich
123381 | Zig:12   | Killed an ancient lich
123381 | Zig:12   | Killed a dread lich
123382 | Zig:12   | Noticed a dread lich
123382 | Zig:12   | Noticed a dread lich
123383 | Zig:12   | Noticed an ancient lich
123384 | Zig:12   | Killed a dread lich
123384 | Zig:12   | Killed an ancient lich
123387 | Zig:12   | Killed an ancient lich
123387 | Zig:12   | Killed a dread lich
123388 | Zig:12   | Reached skill level 27 in Invocations
123390 | Zig:12   | Killed a dread lich
123556 | Zig:13   | Entered Level 13 of a ziggurat
123575 | Zig:13   | Reached skill level 27 in Spellcasting
123654 | Zig:13   | Identified the ring of Curiosity {rPois SInv}
123658 | Zig:13   | Identified the ring "Suacaf" {rF++ MP+9}
123661 | Zig:13   | Identified the ring "Qereheh" {rF+ rC+}
123765 | Zig:14   | Entered Level 14 of a ziggurat
123786 | Zig:14   | Reached skill level 27 in Necromancy
123890 | Zig:14   | Identified the +2 glaive "Aziobuf" {drain, Fly rElec Int+2
                  | Dex-2}
123960 | Zig:15   | Entered Level 15 of a ziggurat
123976 | Zig:15   | Reached skill level 27 in Conjurations
124088 | Zig:15   | Identified the ring "Xaonog" {Will+ AC+4}
124177 | Zig:15   | Identified the +5 war axe of the Mushroom {elec, rCorr
                  | SInv}
124189 | Zig:15   | Identified the ring of Quuxka {rF+ rN+ Will+ AC+4}
124191 | Zig:15   | Identified the +3 hand axe "Evoafov" {spect, rElec}
124258 | Zig:16   | Entered Level 16 of a ziggurat
124266 | Zig:16   | Noticed a royal mummy
124267 | Zig:16   | Noticed a royal mummy
124267 | Zig:16   | Noticed a royal mummy
124267 | Zig:16   | Noticed a royal mummy
124267 | Zig:16   | Noticed a royal mummy
124268 | Zig:16   | Killed a royal mummy
124268 | Zig:16   | Noticed a royal mummy
124272 | Zig:16   | Killed a royal mummy
124273 | Zig:16   | Noticed a royal mummy
124273 | Zig:16   | Killed a royal mummy
124273 | Zig:16   | Noticed a royal mummy
124274 | Zig:16   | Killed a royal mummy
124274 | Zig:16   | Killed a royal mummy
124274 | Zig:16   | Killed a royal mummy
124274 | Zig:16   | Killed a royal mummy
124274 | Zig:16   | Noticed a royal mummy
124274 | Zig:16   | Noticed a royal mummy
124275 | Zig:16   | Reached skill level 27 in Fire Magic
124275 | Zig:16   | Noticed a royal mummy
124276 | Zig:16   | Killed a royal mummy
124276 | Zig:16   | Killed a royal mummy
124278 | Zig:16   | Killed a royal mummy
124280 | Zig:16   | Noticed a royal mummy
124281 | Zig:16   | Killed a royal mummy
124281 | Zig:16   | Noticed a royal mummy
124282 | Zig:16   | Noticed a royal mummy
124284 | Zig:16   | Killed a royal mummy
124284 | Zig:16   | Killed a royal mummy
124284 | Zig:16   | Lost dexterity.
124287 | Zig:16   | Killed a royal mummy
124288 | Zig:16   | Found the +3 salamander hide armour {Flames, rFlCloud rF++
                  | rC--}
124463 | Zig:16   | Identified the storm talisman "Ybeureu" {rF+}
124480 | Zig:16   | Identified the +8 morningstar of Zoewakun {speed, rF++
                  | Int+4}
124548 | Zig:16   | Acquired a manual of Ranged Weapons
124550 | Zig:16   | Acquired a manual of Translocations
124558 | Zig:16   | Lost mutation: You possess an exceptional clarity of mind.
                  | [potion of mutation]
124558 | Zig:16   | Lost mutation: Your muscles are strong. (Str +4, Int/Dex
                  | -1) [potion of mutation]
124558 | Zig:16   | Lost mutation: You passively map a small area around you.
                  | [potion of mutation]
124558 | Zig:16   | Gained mutation: Your magical capacity is low. (-10% MP)
                  | [potion of mutation]
124558 | Zig:16   | Gained mutation: You have a pair of small horns on your
                  | head. [potion of mutation]
124558 | Zig:16   | Lost dexterity.
124558 | Zig:16   | Gained mutation: You are clumsy. (Dex -2) [potion of
                  | mutation]
124562 | Zig:16   | Lost mutation: You have a pair of small horns on your head.
                  | [potion of mutation]
124562 | Zig:16   | Lost mutation: Your magical capacity is low. (-10% MP)
                  | [potion of mutation]
124562 | Zig:16   | Gained mutation: Your mind is acute. (Int +4, Str/Dex -1)
                  | [potion of mutation]
124562 | Zig:16   | Gained mutation: You have sharp toenails. [potion of
                  | mutation]
124563 | Zig:16   | Lost mutation: Your mind is acute. (Int +4, Str/Dex -1)
                  | [potion of mutation]
124563 | Zig:16   | Lost mutation: You are clumsy. (Dex -2) [potion of
                  | mutation]
124563 | Zig:16   | Lost mutation: You have sharp toenails. [potion of
                  | mutation]
124563 | Zig:16   | Gained mutation: You are dopey. (Int -2) [potion of
                  | mutation]
124563 | Zig:16   | Gained mutation: You have a pair of small antennae on your
                  | head. [potion of mutation]
124564 | Zig:16   | Lost mutation: You are dopey. (Int -2) [potion of mutation]
124564 | Zig:16   | Lost mutation: You have a pair of small antennae on your
                  | head. [potion of mutation]
124564 | Zig:16   | Gained mutation: You occasionally lose the ability to read
                  | scrolls when taking damage. [potion of mutation]
124564 | Zig:16   | Gained mutation: You have sharp toenails. [potion of
                  | mutation]
124564 | Zig:16   | Gained mutation: You have supernaturally acute eyesight.
                  | (SInv) [potion of mutation]
124565 | Zig:16   | Lost mutation: You have supernaturally acute eyesight.
                  | (SInv) [potion of mutation]
124565 | Zig:16   | Lost mutation: You have sharp toenails. [potion of
                  | mutation]
124565 | Zig:16   | Lost mutation: You occasionally lose the ability to read
                  | scrolls when taking damage. [potion of mutation]
124565 | Zig:16   | Gained mutation: You are weak. (Str -2) [potion of
                  | mutation]
124565 | Zig:16   | Gained mutation: You are partially covered in iridescent
                  | scales. (AC +2) [potion of mutation]
124565 | Zig:16   | Gained mutation: You are mostly covered in iridescent
                  | scales. (AC +4) [potion of mutation]
124565 | Zig:16   | Gained mutation: You have a pair of small horns on your
                  | head. [potion of mutation]
124566 | Zig:16   | Lost mutation: You are weak. (Str -2) [potion of mutation]
124566 | Zig:16   | Lost mutation: You have a pair of small horns on your head.
                  | [potion of mutation]
124566 | Zig:16   | Gained mutation: Your spells are a little harder to cast,
                  | but a little more powerful. [potion of mutation]
124566 | Zig:16   | Gained mutation: You are partially covered in large bone
                  | plates. (SH +4) [potion of mutation]
124567 | Zig:16   | Lost mutation: Your spells are a little harder to cast, but
                  | a little more powerful. [potion of mutation]
124567 | Zig:16   | Lost mutation: You are partially covered in large bone
                  | plates. (SH +4) [potion of mutation]
124567 | Zig:16   | Gained mutation: You have a pair of small horns on your
                  | head. [potion of mutation]
124567 | Zig:16   | Gained mutation: Your flesh is cold resistant. (rC+)
                  | [potion of mutation]
124568 | Zig:16   | Lost mutation: Your flesh is cold resistant. (rC+) [potion
                  | of mutation]
124568 | Zig:16   | Lost mutation: You have a pair of small horns on your head.
                  | [potion of mutation]
124568 | Zig:16   | Lost mutation: You are mostly covered in iridescent scales.
                  | (AC +4) [potion of mutation]
124568 | Zig:16   | Gained mutation: Your spells are a little harder to cast,
                  | but a little more powerful. [potion of mutation]
124568 | Zig:16   | Gained mutation: You have hidden genetic potential. [potion
                  | of mutation]
124568 | Zig:16   | Gained mutation: You have sharp toenails. [potion of
                  | mutation]
124569 | Zig:16   | Lost mutation: You are partially covered in iridescent
                  | scales. (AC +2) [potion of mutation]
124569 | Zig:16   | Lost mutation: Your spells are a little harder to cast, but
                  | a little more powerful. [potion of mutation]
124569 | Zig:16   | Gained mutation: You have great hidden genetic potential.
                  | [potion of mutation]
124569 | Zig:16   | Gained mutation: You have razor-sharp toenails. [potion of
                  | mutation]
124570 | Zig:16   | Lost mutation: You have razor-sharp toenails. [potion of
                  | mutation]
124570 | Zig:16   | Lost mutation: You have sharp toenails. [potion of
                  | mutation]
124570 | Zig:16   | Lost mutation: You have great hidden genetic potential.
                  | [potion of mutation]
124570 | Zig:16   | Gained mutation: You expend magic power (3 MP) to
                  | strengthen your wands. [potion of mutation]
124570 | Zig:16   | Gained mutation: You have a pair of small horns on your
                  | head. [potion of mutation]
124570 | Zig:16   | Gained mutation: You have a pair of horns on your head.
                  | [potion of mutation]
124571 | Zig:16   | Lost mutation: You have hidden genetic potential. [potion
                  | of mutation]
124571 | Zig:16   | Lost mutation: You expend magic power (3 MP) to strengthen
                  | your wands. [potion of mutation]
124571 | Zig:16   | Lost mutation: You have a pair of horns on your head.
                  | [potion of mutation]
124571 | Zig:16   | Gained mutation: Your natural rate of healing is unusually
                  | fast. [potion of mutation]
124571 | Zig:16   | Gained mutation: You are robust. (+10% HP) [potion of
                  | mutation]
124571 | Zig:16   | Gained mutation: You have hidden genetic potential. [potion
                  | of mutation]
124571 | Zig:16   | Gained mutation: You heal very quickly. [potion of
                  | mutation]
124572 | Zig:16   | Lost mutation: You are robust. (+10% HP) [potion of
                  | mutation]
124572 | Zig:16   | Lost mutation: You have hidden genetic potential. [potion
                  | of mutation]
124572 | Zig:16   | Lost mutation: You heal very quickly. [potion of mutation]
124572 | Zig:16   | Gained mutation: You are agile. (Dex +4, Str/Int -1)
                  | [potion of mutation]
124572 | Zig:16   | Lost mutation: Your natural rate of healing is unusually
                  | fast. [potion of mutation]
124572 | Zig:16   | Gained mutation: You are partially covered in iridescent
                  | scales. (AC +2) [potion of mutation]
124572 | Zig:16   | Gained mutation: Your flesh is cold resistant. (rC+)
                  | [potion of mutation]
124573 | Zig:16   | Lost mutation: You have a pair of small horns on your head.
                  | [potion of mutation]
124573 | Zig:16   | Lost mutation: You are agile. (Dex +4, Str/Int -1) [potion
                  | of mutation]
124573 | Zig:16   | Gained mutation: You are partially covered in large bone
                  | plates. (SH +4) [potion of mutation]
124573 | Zig:16   | Gained mutation: Your mind is acute. (Int +4, Str/Dex -1)
                  | [potion of mutation]
124574 | Zig:16   | Lost mutation: Your flesh is cold resistant. (rC+) [potion
                  | of mutation]
124574 | Zig:16   | Lost mutation: Your mind is acute. (Int +4, Str/Dex -1)
                  | [potion of mutation]
124574 | Zig:16   | Gained mutation: You have a somewhat thin skeletal
                  | structure. (Dex +2, Stealth+) [potion of mutation]
124575 | Zig:16   | Lost mutation: You are partially covered in iridescent
                  | scales. (AC +2) [potion of mutation]
124575 | Zig:16   | Lost mutation: You have a somewhat thin skeletal structure.
                  | (Dex +2, Stealth+) [potion of mutation]
124575 | Zig:16   | Gained mutation: You do not regenerate when monsters are
                  | visible. [potion of mutation]
124575 | Zig:16   | Gained mutation: You are agile. (Dex +4, Str/Int -1)
                  | [potion of mutation]
124576 | Zig:16   | Lost mutation: You are partially covered in large bone
                  | plates. (SH +4) [potion of mutation]
124576 | Zig:16   | Lost mutation: You are agile. (Dex +4, Str/Int -1) [potion
                  | of mutation]
124576 | Zig:16   | Lost mutation: You do not regenerate when monsters are
                  | visible. [potion of mutation]
124576 | Zig:16   | Gained mutation: You occasionally shout uncontrollably at
                  | your foes. [potion of mutation]
124577 | Zig:16   | Lost mutation: You occasionally shout uncontrollably at
                  | your foes. [potion of mutation]
124577 | Zig:16   | Gained mutation: You are covered in fur. (AC +1) [potion of
                  | mutation]
124578 | Zig:16   | Lost mutation: You are covered in fur. (AC +1) [potion of
                  | mutation]
124578 | Zig:16   | Gained mutation: Your movements are slightly less
                  | encumbered by armour. (ER -2) [potion of mutation]
124578 | Zig:16   | Gained mutation: You possess an exceptional clarity of
                  | mind. [potion of mutation]
124578 | Zig:16   | Gained mutation: You are weak. (Str -2) [potion of
                  | mutation]
124579 | Zig:16   | Lost mutation: You possess an exceptional clarity of mind.
                  | [potion of mutation]
124579 | Zig:16   | Lost mutation: Your movements are slightly less encumbered
                  | by armour. (ER -2) [potion of mutation]
124579 | Zig:16   | Lost mutation: You are weak. (Str -2) [potion of mutation]
124579 | Zig:16   | Gained mutation: You are somewhat resistant to further
                  | mutation. [potion of mutation]
124580 | Zig:16   | Lost mutation: You are somewhat resistant to further
                  | mutation. [potion of mutation]
124580 | Zig:16   | Gained mutation: You expend magic power (3 MP) to
                  | strengthen your wands. [potion of mutation]
124581 | Zig:16   | Lost mutation: You expend magic power (3 MP) to strengthen
                  | your wands. [potion of mutation]
124581 | Zig:16   | Gained mutation: Your flesh is heat resistant. (rF+)
                  | [potion of mutation]
124581 | Zig:16   | Gained mutation: You are somewhat resistant to further
                  | mutation. [potion of mutation]
124581 | Zig:16   | Gained mutation: You passively dampen the noise of your
                  | surroundings. [potion of mutation]
124582 | Zig:16   | Lost mutation: You are somewhat resistant to further
                  | mutation. [potion of mutation]
124582 | Zig:16   | Lost mutation: You passively dampen the noise of your
                  | surroundings. [potion of mutation]
124582 | Zig:16   | Gained mutation: You have large cloven feet. [potion of
                  | mutation]
124583 | Zig:16   | Lost mutation: You have large cloven feet. [potion of
                  | mutation]
124583 | Zig:16   | Lost mutation: Your flesh is heat resistant. (rF+) [potion
                  | of mutation]
124583 | Zig:16   | Gained mutation: You are strong-willed. (Will+) [potion of
                  | mutation]
124583 | Zig:16   | Gained mutation: Your spells are a little harder to cast,
                  | but a little more powerful. [potion of mutation]
124584 | Zig:16   | Lost mutation: Your spells are a little harder to cast, but
                  | a little more powerful. [potion of mutation]
124584 | Zig:16   | Lost mutation: You are strong-willed. (Will+) [potion of
                  | mutation]
124584 | Zig:16   | Gained mutation: Your flesh is heat resistant. (rF+)
                  | [potion of mutation]
124584 | Zig:16   | Gained mutation: You have hidden genetic defects. [potion
                  | of mutation]
124584 | Zig:16   | Gained mutation: You are strong-willed. (Will+) [potion of
                  | mutation]
124584 | Zig:16   | Gained mutation: You are robust. (+10% HP) [potion of
                  | mutation]
124585 | Zig:16   | Lost mutation: You are robust. (+10% HP) [potion of
                  | mutation]
124585 | Zig:16   | Lost mutation: You have hidden genetic defects. [potion of
                  | mutation]
124585 | Zig:16   | Gained mutation: You are somewhat resistant to further
                  | mutation. [potion of mutation]
124586 | Zig:16   | Lost mutation: You are somewhat resistant to further
                  | mutation. [potion of mutation]
124586 | Zig:16   | Lost mutation: Your flesh is heat resistant. (rF+) [potion
                  | of mutation]
124586 | Zig:16   | Lost mutation: You are strong-willed. (Will+) [potion of
                  | mutation]
124586 | Zig:16   | Gained mutation: Your mind is acute. (Int +4, Str/Dex -1)
                  | [potion of mutation]
124586 | Zig:16   | Gained mutation: You are partially covered in large bone
                  | plates. (SH +4) [potion of mutation]
124587 | Zig:16   | Lost mutation: Your mind is acute. (Int +4, Str/Dex -1)
                  | [potion of mutation]
124587 | Zig:16   | Lost mutation: You are partially covered in large bone
                  | plates. (SH +4) [potion of mutation]
124587 | Zig:16   | Gained mutation: You are occasionally teleported next to
                  | monsters. [potion of mutation]
124587 | Zig:16   | Gained mutation: You expend magic power (3 MP) to
                  | strengthen your wands. [potion of mutation]
124587 | Zig:16   | Gained mutation: You have hidden genetic potential. [potion
                  | of mutation]
124588 | Zig:16   | Lost mutation: You have hidden genetic potential. [potion
                  | of mutation]
124588 | Zig:16   | Lost mutation: You expend magic power (3 MP) to strengthen
                  | your wands. [potion of mutation]
124588 | Zig:16   | Lost mutation: You are occasionally teleported next to
                  | monsters. [potion of mutation]
124588 | Zig:16   | Gained mutation: You are somewhat resistant to further
                  | mutation. [potion of mutation]
124588 | Zig:16   | Gained mutation: You are somewhat resistant to both further
                  | mutation and mutation removal. [potion of mutation]
124589 | Zig:16   | Lost mutation: You are somewhat resistant to both further
                  | mutation and mutation removal. [potion of mutation]
124589 | Zig:16   | Lost mutation: You are somewhat resistant to further
                  | mutation. [potion of mutation]
124589 | Zig:16   | Gained mutation: You do not regenerate when monsters are
                  | visible. [potion of mutation]
124589 | Zig:16   | Gained mutation: Your muscles are strong. (Str +4, Int/Dex
                  | -1) [potion of mutation]
124590 | Zig:16   | Lost mutation: You do not regenerate when monsters are
                  | visible. [potion of mutation]
124590 | Zig:16   | Lost mutation: Your muscles are strong. (Str +4, Int/Dex
                  | -1) [potion of mutation]
124590 | Zig:16   | Gained mutation: Your muscles are strong. (Str +4, Int/Dex
                  | -1) [potion of mutation]
124590 | Zig:16   | Lost dexterity.
124590 | Zig:16   | Gained mutation: Your mind is acute. (Int +4, Str/Dex -1)
                  | [potion of mutation]
124593 | Zig:16   | Lost mutation: Your muscles are strong. (Str +4, Int/Dex
                  | -1) [potion of mutation]
124593 | Zig:16   | Lost mutation: Your mind is acute. (Int +4, Str/Dex -1)
                  | [potion of mutation]
124593 | Zig:16   | Gained mutation: You occasionally shout uncontrollably at
                  | your foes. [potion of mutation]
124594 | Zig:16   | Lost mutation: You occasionally shout uncontrollably at
                  | your foes. [potion of mutation]
124594 | Zig:16   | Gained mutation: You expend magic power (3 MP) to
                  | strengthen your wands. [potion of mutation]
124594 | Zig:16   | Gained mutation: You possess an exceptional clarity of
                  | mind. [potion of mutation]
124725 | Zig:17   | Entered Level 17 of a ziggurat
124741 | Zig:17   | Reached skill level 27 in Air Magic
124746 | Zig:17   | Noticed Iluddy the pandemonium lord
124751 | Zig:17   | Reached skill level 27 in Fighting
124758 | Zig:17   | Killed Iluddy the pandemonium lord
124860 | Zig:17   | Identified the ring of Morchausk {rCorr Str+6}
125014 | Zig:18   | Entered Level 18 of a ziggurat
125029 | Zig:18   | Noticed Geariaz the pandemonium lord
125029 | Zig:18   | Noticed Wihu the pandemonium lord
125030 | Zig:18   | Noticed Qafrepn the pandemonium lord
125030 | Zig:18   | Noticed Erhossu the pandemonium lord
125030 | Zig:18   | Noticed Nuraocsy the pandemonium lord
125035 | Zig:18   | Killed Nuraocsy the pandemonium lord
125039 | Zig:18   | Killed Wihu the pandemonium lord
125040 | Zig:18   | Noticed Boipn the pandemonium lord
125040 | Zig:18   | Noticed Reaggir the pandemonium lord
125041 | Zig:18   | Noticed Noalisaremp the pandemonium lord
125042 | Zig:18   | Noticed Antuisko the pandemonium lord
125042 | Zig:18   | Noticed Bipn the pandemonium lord
125042 | Zig:18   | Noticed Jozxoqaf the pandemonium lord
125042 | Zig:18   | Noticed Zikleoloo the pandemonium lord
125043 | Zig:18   | Killed Reaggir the pandemonium lord
125043 | Zig:18   | Noticed Plog the pandemonium lord
125043 | Zig:18   | Noticed Abbupn the pandemonium lord
125043 | Zig:18   | Noticed Cacw the pandemonium lord
125043 | Zig:18   | Noticed Ruozoj the pandemonium lord
125044 | Zig:18   | Killed Boipn the pandemonium lord
125044 | Zig:18   | Killed Antuisko the pandemonium lord
125044 | Zig:18   | Killed Cacw the pandemonium lord
125045 | Zig:18   | Reached skill level 15 in Translocations
125045 | Zig:18   | Killed Zikleoloo the pandemonium lord
125045 | Zig:18   | Killed Erhossu the pandemonium lord
125047 | Zig:18   | Killed Noalisaremp the pandemonium lord
125048 | Zig:18   | Killed Bipn the pandemonium lord
125048 | Zig:18   | Noticed Nateov the pandemonium lord
125049 | Zig:18   | Killed Jozxoqaf the pandemonium lord
125049 | Zig:18   | Killed Plog the pandemonium lord
125049 | Zig:18   | Killed Qafrepn the pandemonium lord
125049 | Zig:18   | Noticed Gemeizae the pandemonium lord
125049 | Zig:18   | Noticed Feeraukh the pandemonium lord
125050 | Zig:18   | Killed Ruozoj the pandemonium lord
125051 | Zig:18   | Killed Nateov the pandemonium lord
125052 | Zig:18   | Noticed Cud Tic the pandemonium lord
125053 | Zig:18   | Noticed Fugas the pandemonium lord
125054 | Zig:18   | Killed Abbupn the pandemonium lord
125054 | Zig:18   | Killed Cud Tic the pandemonium lord
125056 | Zig:18   | Killed Gemeizae the pandemonium lord
125056 | Zig:18   | Killed Feeraukh the pandemonium lord
125057 | Zig:18   | Killed Fugas the pandemonium lord
125063 | Zig:18   | Noticed Doqirus the pandemonium lord
125063 | Zig:18   | Noticed Odirar the pandemonium lord
125063 | Zig:18   | Noticed Ohimmee the pandemonium lord
125065 | Zig:18   | Killed Doqirus the pandemonium lord
125065 | Zig:18   | Noticed Luhipot the pandemonium lord
125065 | Zig:18   | Killed Odirar the pandemonium lord
125066 | Zig:18   | Killed Geariaz the pandemonium lord
125066 | Zig:18   | Noticed Itodghegh the pandemonium lord
125071 | Zig:18   | Killed Luhipot the pandemonium lord
125075 | Zig:18   | Killed Ohimmee the pandemonium lord
125092 | Zig:18   | Killed Itodghegh the pandemonium lord
125160 | Zig:18   | Found the +18 shield of the Gong {Loud rN+ Will+ rCorr
                  | EV-5}
125192 | Zig:18   | Identified the amulet of Gurphoy {Spirit Rampage Int+3}
125194 | Zig:18   | Identified the +10 hand axe of Utagh {pain, SInv}
125201 | Zig:18   | Identified the +5 dagger "Doifuq" {venom, Str+3 Int+3}
125202 | Zig:18   | Identified the +2 whip of Calamity {freeze, ^Contam Will+
                  | Int+3}
125203 | Zig:18   | Identified the amulet "Viz Medo" {rC- Regen+ rCorr Str+9
                  | Int-2}
125212 | Zig:18   | Identified the +2 chain mail of Untold Secrets {+Inv rF+
                  | rCorr Dex-2}
125221 | Zig:18   | Identified the +1 chain mail of Impatience {Regen+ rCorr
                  | Str+8 Int-5}
125334 | Zig:19   | Entered Level 19 of a ziggurat
125354 | Zig:19   | Reached skill level 15 in Staves
125414 | Zig:19   | Identified the +2 scale mail "Ciuts" {Dex+4}
125417 | Zig:19   | Identified the staff "Killer Bee's Doom" {rC+ Str-5 Conj
                  | Hexes Summ}
125430 | Zig:19   | Identified the ring "Gyerer" {rF+ Str+2 Int+6}
125432 | Zig:19   | Identified the ring "Ysioqiuz" {rF+ rC+++ rCorr Str-5
                  | Int-4}
125434 | Zig:19   | Identified the +3 leather armour of Byesch {Str+2 Int+2
                  | Dex+4}
125435 | Zig:19   | Identified the +4 arbalest of Noetrebe {speed, rPois rN+}
125436 | Zig:19   | Identified the +10 mace of the Radish {protect, Will+
                  | Dex+5}
125438 | Zig:19   | Identified the +3 dagger of the Hammering Seer {flame,
                  | rPois rN+}
125704 | Zig:20   | Entered Level 20 of a ziggurat
125721 | Zig:20   | Noticed an ancient lich
125723 | Zig:20   | Killed an ancient lich
125726 | Zig:20   | Noticed an ancient lich
125726 | Zig:20   | Noticed an ancient lich
125728 | Zig:20   | Killed an ancient lich
125729 | Zig:20   | Killed an ancient lich
125731 | Zig:20   | Found the +9 scales of the Dragon King {rPois rF+ rC+
                  | Will+}
125736 | Zig:20   | Found the amulet of the Air {Inacc Air Fly rElec RMsl}
125876 | Zig:20   | Identified the +5 trident "Gargoyle's Foe" {vamp, ^Contam
                  | Str+3 Dex+3}
125956 | Zig:20   | Identified the +2 rapier of Ozuwetej {drain, Dex+5}
125960 | Zig:20   | Identified the +3 scale mail of Calculation {rC+ Dex+3}
125974 | Zig:20   | Identified the ring of Ethrohec {rCorr Str+2 Int+6 Dex+4}
126068 | Zig:21   | Entered Level 21 of a ziggurat
126085 | Zig:21   | Noticed an ancient lich
126085 | Zig:21   | Noticed a dread lich
126086 | Zig:21   | Killed an ancient lich
126086 | Zig:21   | Killed a dread lich
126088 | Zig:21   | Noticed a dread lich
126088 | Zig:21   | Noticed an ancient lich
126091 | Zig:21   | Killed a dread lich
126091 | Zig:21   | Noticed a dread lich
126092 | Zig:21   | Killed an ancient lich
126093 | Zig:21   | Noticed a dread lich
126093 | Zig:21   | Noticed an ancient lich
126094 | Zig:21   | Noticed a dread lich
126094 | Zig:21   | Found the +8 whip "Snakebite" {venom, curare, rPois}
126094 | Zig:21   | Noticed an ancient lich
126095 | Zig:21   | Killed a dread lich
126095 | Zig:21   | Killed a dread lich
126096 | Zig:21   | Killed an ancient lich
126096 | Zig:21   | Killed a dread lich
126096 | Zig:21   | Killed an ancient lich
126191 | Zig:21   | Identified the +1 falchion of Zextotecry {vamp, ^Drain
                  | +Blink Str+3}
126204 | Zig:21   | Identified the +7 double sword of Yvvis {freeze, rF+ rC+}
126212 | Zig:21   | Identified the staff of Salt {rElec rPois rF- Will- Int+7
                  | Alchemy}
126371 | Zig:22   | Entered Level 22 of a ziggurat
126379 | Zig:22   | Noticed Kucoq the pandemonium lord
126387 | Zig:22   | Noticed Gikhluq the pandemonium lord
126389 | Zig:22   | Killed Kucoq the pandemonium lord
126390 | Zig:22   | Noticed Kisaorir the pandemonium lord
126392 | Zig:22   | Noticed Zown the pandemonium lord
126392 | Zig:22   | Noticed Uzoshergh the pandemonium lord
126393 | Zig:22   | Killed Gikhluq the pandemonium lord
126393 | Zig:22   | Noticed Feizoz the pandemonium lord
126393 | Zig:22   | Noticed Noeleost the pandemonium lord
126393 | Zig:22   | Noticed Xutofem the pandemonium lord
126394 | Zig:22   | Noticed Sekobe the pandemonium lord
126395 | Zig:22   | Noticed Leyra the pandemonium lord
126395 | Zig:22   | Noticed Voicayts the pandemonium lord
126395 | Zig:22   | Noticed Tulysygi the pandemonium lord
126396 | Zig:22   | Noticed Jiuhoyd the pandemonium lord
126396 | Zig:22   | Noticed Poutesch the pandemonium lord
126396 | Zig:22   | Noticed Daffuquud the pandemonium lord
126399 | Zig:22   | Killed Uzoshergh the pandemonium lord
126400 | Zig:22   | Noticed Tefuoha the pandemonium lord
126401 | Zig:22   | Killed Daffuquud the pandemonium lord
126401 | Zig:22   | Killed Tefuoha the pandemonium lord
126402 | Zig:22   | Killed Poutesch the pandemonium lord
126407 | Zig:22   | Noticed Puricefu the pandemonium lord
126409 | Zig:22   | Killed Leyra the pandemonium lord
126411 | Zig:22   | Killed Puricefu the pandemonium lord
126411 | Zig:22   | Killed Noeleost the pandemonium lord
126411 | Zig:22   | Killed Tulysygi the pandemonium lord
126411 | Zig:22   | Killed Feizoz the pandemonium lord
126411 | Zig:22   | Killed Sekobe the pandemonium lord
126412 | Zig:22   | Killed Jiuhoyd the pandemonium lord
126414 | Zig:22   | Killed Kisaorir the pandemonium lord
126414 | Zig:22   | Killed Voicayts the pandemonium lord
126414 | Zig:22   | Killed Xutofem the pandemonium lord
126414 | Zig:22   | Noticed Yskon the pandemonium lord
126417 | Zig:22   | Noticed Veixta the pandemonium lord
126417 | Zig:22   | Killed Zown the pandemonium lord
126418 | Zig:22   | Noticed Yniatot the pandemonium lord
126418 | Zig:22   | Killed Yniatot the pandemonium lord
126418 | Zig:22   | Noticed Yciwnuiw the pandemonium lord
126419 | Zig:22   | Killed Yskon the pandemonium lord
126419 | Zig:22   | Noticed Zuuq the pandemonium lord
126420 | Zig:22   | Killed Veixta the pandemonium lord
126420 | Zig:22   | Killed Yciwnuiw the pandemonium lord
126420 | Zig:22   | Noticed Qailex the pandemonium lord
126423 | Zig:22   | Killed Qailex the pandemonium lord
126424 | Zig:22   | Noticed Benubri the pandemonium lord
126425 | Zig:22   | Noticed Licvuseps the pandemonium lord
126427 | Zig:22   | Killed Zuuq the pandemonium lord
126432 | Zig:22   | Killed Licvuseps the pandemonium lord
126432 | Zig:22   | Killed Benubri the pandemonium lord
126437 | Zig:22   | Noticed Uluv the pandemonium lord
126440 | Zig:22   | Noticed Kuanubaa the pandemonium lord
126441 | Zig:22   | Killed Uluv the pandemonium lord
126454 | Zig:22   | Noticed Ralickia the pandemonium lord
126455 | Zig:22   | Noticed Jeumnem the pandemonium lord
126458 | Zig:22   | Killed Jeumnem the pandemonium lord
126461 | Zig:22   | Noticed Vuefid the pandemonium lord
126461 | Zig:22   | Noticed Ykhlicepi the pandemonium lord
126461 | Zig:22   | Noticed Helefe the pandemonium lord
126462 | Zig:22   | Noticed Gueps the pandemonium lord
126462 | Zig:22   | Killed Kuanubaa the pandemonium lord
126462 | Zig:22   | Killed Pisiexux the pandemonium lord
126464 | Zig:22   | Killed Vuefid the pandemonium lord
126468 | Zig:22   | Killed Ralickia the pandemonium lord
126468 | Zig:22   | Noticed Amudon the pandemonium lord
126470 | Zig:22   | Killed Ykhlicepi the pandemonium lord
126473 | Zig:22   | Noticed Careote the pandemonium lord
126473 | Zig:22   | Killed Gueps the pandemonium lord
126474 | Zig:22   | Killed Careote the pandemonium lord
126474 | Zig:22   | Killed Helefe the pandemonium lord
126474 | Zig:22   | Killed Amudon the pandemonium lord
126475 | Zig:22   | Reached skill level 27 in Armour
126667 | Zig:22   | Found the ring of Shadows {Umbra +Inv Stlth+}
126670 | Zig:22   | Found the +3 pair of gauntlets of War {Slay+5}
126689 | Zig:22   | Identified the +11 quarterstaff "Osirpha" {elec, rF+}
126690 | Zig:22   | Identified the staff "Areuj" {rPois rC- Dex+3 Necro
                  | Alchemy}
126799 | Zig:22   | Acquired 468 gold pieces
126829 | Zig:23   | Entered Level 23 of a ziggurat
126853 | Zig:23   | Reached skill level 27 in Dodging
126871 | Zig:23   | Reached skill level 27 in Throwing
126963 | Zig:23   | Reached skill level 27 in Staves
127046 | Zig:23   | Found the +9 staff of Olgreb {rPois∞}
127121 | Zig:23   | Identified the +7 broad axe "Pues" {antimagic, *Rage Int+5
                  | Dex+5}
127135 | Zig:23   | Identified the amulet of Wisifoir {Spirit +Inv Str+4 SInv
                  | Stlth-}
127162 | Zig:23   | Identified the amulet of Emo Sary {Acrobat Rampage Str+5
                  | Int+3}
127307 | Zig:23   | Identified the +6 great sword "Inloec" {pain, rElec}
127310 | Zig:23   | Identified the +7 plate armour of Peek-a-Boo {Str+3}
127391 | Zig:24   | Entered Level 24 of a ziggurat
127408 | Zig:24   | Noticed Lutir the pandemonium lord
127408 | Zig:24   | Noticed Vuogi the pandemonium lord
127409 | Zig:24   | Noticed Arph the pandemonium lord
127410 | Zig:24   | Noticed Mul Laq the pandemonium lord
127410 | Zig:24   | Noticed Aneireh the pandemonium lord
127410 | Zig:24   | Noticed Xihan the pandemonium lord
127411 | Zig:24   | Noticed Nukhly the pandemonium lord
127423 | Abyss:5  | Found a corrupted altar of Lugonu.
127423 | Abyss:5  | Cast into level 5 of the Abyss (unwielding a weapon of
                  | distortion)
127487 | Abyss:5  | Lost dexterity.
127511 | Abyss:5  | Reached skill level 27 in Earth Magic
127578 | Abyss:6  | Reached skill level 15 in Stealth
127586 | Abyss:6  | Got an abyssal rune of Zot
127648 | Zig:24   | Escaped the Abyss
127652 | Zig:24   | Killed Arph the pandemonium lord
127652 | Zig:24   | Killed Lutir the pandemonium lord
127654 | Zig:24   | Killed Aneireh the pandemonium lord
127656 | Zig:24   | Killed Vuogi the pandemonium lord
127658 | Zig:24   | Noticed Meteimm the pandemonium lord
127659 | Zig:24   | Killed Nukhly the pandemonium lord
127659 | Zig:24   | Noticed Yruyt the pandemonium lord
127661 | Zig:24   | Killed Meteimm the pandemonium lord
127661 | Zig:24   | Killed Xihan the pandemonium lord
127664 | Zig:24   | Killed Yruyt the pandemonium lord
127664 | Zig:24   | Noticed Kikiewk the pandemonium lord
127666 | Zig:24   | Noticed Zoff the pandemonium lord
127666 | Zig:24   | Noticed Piam the pandemonium lord
127667 | Zig:24   | Killed Kikiewk the pandemonium lord
127667 | Zig:24   | Killed Mul Laq the pandemonium lord
127671 | Zig:24   | Killed Zoff the pandemonium lord
127672 | Zig:24   | Killed Piam the pandemonium lord
127674 | Zig:24   | Noticed Tosietom the pandemonium lord
127676 | Zig:24   | Noticed Erig the pandemonium lord
127678 | Zig:24   | Noticed Ziekk the pandemonium lord
127678 | Zig:24   | Noticed Makheg the pandemonium lord
127679 | Zig:24   | Killed Tosietom the pandemonium lord
127680 | Zig:24   | Noticed Xophay the pandemonium lord
127681 | Zig:24   | Killed Erig the pandemonium lord
127682 | Zig:24   | Noticed Assaptun the pandemonium lord
127682 | Zig:24   | Noticed Baunleho the pandemonium lord
127683 | Zig:24   | Killed Ziekk the pandemonium lord
127683 | Zig:24   | Killed Xophay the pandemonium lord
127683 | Zig:24   | Killed Makheg the pandemonium lord
127684 | Zig:24   | Reached skill level 27 in Stealth
127684 | Zig:24   | Killed Assaptun the pandemonium lord
127686 | Zig:24   | Noticed Kextif the pandemonium lord
127687 | Zig:24   | Killed Baunleho the pandemonium lord
127692 | Zig:24   | Killed Kextif the pandemonium lord
127692 | Zig:24   | Noticed Minoi the pandemonium lord
127692 | Zig:24   | Noticed Sunoawka the pandemonium lord
127695 | Zig:24   | Killed Sunoawka the pandemonium lord
127697 | Zig:24   | Killed Minoi the pandemonium lord
127700 | Zig:24   | Noticed Kawinar the pandemonium lord
127703 | Zig:24   | Noticed Juluby Voadgh the pandemonium lord
127704 | Zig:24   | Killed Kawinar the pandemonium lord
127705 | Zig:24   | Killed Juluby Voadgh the pandemonium lord
127705 | Zig:24   | Noticed Geits the pandemonium lord
127705 | Zig:24   | Noticed Miboohy the pandemonium lord
127706 | Zig:24   | Noticed Geqaus the pandemonium lord
127708 | Zig:24   | Killed Miboohy the pandemonium lord
127709 | Zig:24   | Noticed Nujurow the pandemonium lord
127710 | Zig:24   | Killed Geits the pandemonium lord
127711 | Zig:24   | Killed Geqaus the pandemonium lord
127712 | Zig:24   | Killed Nujurow the pandemonium lord
127714 | Zig:24   | Noticed Zyfaimal the pandemonium lord
127731 | Zig:24   | Killed Zyfaimal the pandemonium lord
127950 | Zig:24   | Identified the +1 scale mail "Hitamaluit" {Slay+4}
127951 | Zig:24   | Identified the amulet "Uhuoghy" {Faith MP+9}
127983 | Zig:24   | Identified the ring "Ligherang" {Fly rElec rPois Str+2
                  | SInv}
127985 | Zig:24   | Identified the ring "Faumm" {Will+ Int+2}
127986 | Zig:24   | Identified the +4 rapier "Horrann" {drain, Int+3 Dex+2}
128036 | Zig:24   | Identified the ring "Zelex" {rF- rC++ Will+}
128047 | Zig:24   | Identified the amulet of Zerch {Acrobat Harm rElec rF-}
128156 | Zig:25   | Entered Level 25 of a ziggurat
128446 | Zig:25   | Found the +5 scythe "Finisher" {speed, execute}
128455 | Zig:25   | Identified the +0 leather armour of the Shore {rF+ rN+
                  | Int+3 Dex-5}
128482 | Zig:25   | Identified the staff "Killer Bee's Curse" {rElec rN+ Dex+4
                  | Necro}
128502 | Zig:25   | Acquired 1059 gold pieces
128609 | Zig:26   | Entered Level 26 of a ziggurat
128747 | Zig:26   | Reached skill level 27 in Shapeshifting
128763 | Zig:26   | Noticed Aheetigo the pandemonium lord
128826 | Zig:26   | Identified the ring of Rypp {rN+ Int+2 Dex+2}
128829 | Zig:26   | Identified the +6 falchion of Ihoihil {freeze, rC- SInv
                  | Stlth+}
128928 | Zig:26   | Killed Aheetigo the pandemonium lord
129186 | Zig:26   | Identified the +9 falchion "Tinoyx" {venom, rC+ Dex+3 SInv}
129376 | Zig:27   | Entered Level 27 of a ziggurat
129385 | Zig:27   | Noticed a juggernaut
129388 | Zig:27   | Noticed a juggernaut
129393 | Zig:27   | Killed a juggernaut
129394 | Zig:27   | Killed a juggernaut
129398 | Zig:27   | Noticed a juggernaut
129400 | Zig:27   | Noticed a juggernaut
129402 | Zig:27   | Noticed a juggernaut
129404 | Zig:27   | Killed a juggernaut
129404 | Zig:27   | Killed a juggernaut
129405 | Zig:27   | Noticed a juggernaut
129405 | Zig:27   | Noticed a juggernaut
129405 | Zig:27   | Killed a juggernaut
129407 | Zig:27   | Killed a juggernaut
129407 | Zig:27   | Killed a juggernaut
129580 | Zig:27   | Identified the ring "Ettuetry" {rC+ Int+2}
129603 | Zig:27   | Identified the amulet "Zifit" {Faith Regen+ SInv}
129624 | Zig:27   | Identified the +9 hand axe "Tilanuva" {venom, rElec rC+}
130261 | Vaults:1 | Learned a level 9 spell: Polar Vortex
130823 | Tomb:1   | Entered Level 1 of the Tomb of the Ancients
130864 | Tomb:1   | Reached skill level 1 in Ice Magic
130866 | Tomb:1   | Noticed a royal mummy
130869 | Tomb:1   | Killed a royal mummy
130906 | Tomb:1   | Noticed a royal mummy
130911 | Tomb:1   | Killed a royal mummy
130919 | Tomb:1   | Noticed a royal mummy
130979 | Tomb:1   | Killed a royal mummy
130981 | Tomb:1   | Noticed a royal mummy
130984 | Tomb:1   | Noticed a royal mummy
130985 | Tomb:1   | Killed a royal mummy
130986 | Tomb:1   | Noticed a royal mummy
130989 | Tomb:1   | Killed a royal mummy
130990 | Tomb:1   | Reached skill level 5 in Ice Magic
130993 | Tomb:1   | Killed a royal mummy
131040 | Tomb:1   | Noticed a royal mummy
131043 | Tomb:1   | Killed a royal mummy
131592 | Tomb:1   | Noticed a royal mummy
131592 | Tomb:1   | Noticed a royal mummy
131595 | Tomb:1   | Killed a royal mummy
131596 | Tomb:1   | Killed a royal mummy
131826 | Tomb:1   | Noticed a royal mummy
131831 | Tomb:1   | Killed a royal mummy
131832 | Tomb:1   | Reached skill level 10 in Ice Magic
131946 | Tomb:1   | Identified the +1 ring mail "Mytamiyd" {Will++}
132519 | Tomb:2   | Noticed a royal mummy
132519 | Tomb:2   | Noticed a royal mummy
132988 | Tomb:2   | Killed a royal mummy
132992 | Tomb:2   | Noticed a royal mummy
132998 | Tomb:2   | Killed a royal mummy
133004 | Tomb:2   | Noticed a royal mummy
133016 | Tomb:2   | Killed a royal mummy
133016 | Tomb:2   | Killed a royal mummy
133425 | Tomb:3   | Entered Level 3 of the Tomb of the Ancients
133433 | Tomb:3   | Noticed a royal mummy
133433 | Tomb:3   | Noticed a royal mummy
133435 | Tomb:3   | Reached skill level 15 in Ice Magic
133437 | Tomb:3   | Killed a royal mummy
133437 | Tomb:3   | Killed a royal mummy
133437 | Tomb:3   | Noticed a royal mummy
133439 | Tomb:3   | Noticed a royal mummy
133442 | Tomb:3   | Killed a royal mummy
133442 | Tomb:3   | Lost dexterity.
133446 | Tomb:3   | Killed a royal mummy
133446 | Tomb:3   | Noticed a royal mummy
133482 | Tomb:2   | :hmm
133519 | Tomb:3   | Noticed a royal mummy
133521 | Tomb:3   | Killed a royal mummy
133523 | Tomb:3   | Killed a royal mummy
133525 | Tomb:3   | Noticed a royal mummy
133528 | Tomb:3   | Killed a royal mummy
133532 | Tomb:3   | Noticed a royal mummy
133590 | Tomb:3   | Noticed a royal mummy
133595 | Tomb:3   | Killed a royal mummy
133602 | Tomb:3   | Killed a royal mummy
133832 | Tomb:3   | Identified the +10 trident of the Five Heavens {antimagic,
                  | Fly rF- Str+5 Int+2}
133972 | Tomb:3   | Identified the ring of Wonder {rPois Dex+6 Slay+5 Stlth-}
134006 | Tomb:3   | Identified the +6 great mace of Qexestro {venom, Fly rPois
                  | rF- Int+3}
134019 | Tomb:3   | Identified the +1 pair of gloves of the Eternal Void {Str+3
                  | Dex+3}
134103 | Tomb:3   | Got a golden rune of Zot
134295 | Tomb:3   | Lost mutation: You possess an exceptional clarity of mind.
                  | [potion of mutation]
134295 | Tomb:3   | Lost mutation: You expend magic power (3 MP) to strengthen
                  | your wands. [potion of mutation]
134295 | Tomb:3   | Gained mutation: You have supernaturally acute eyesight.
                  | (SInv) [potion of mutation]
134295 | Tomb:3   | Gained mutation: You expend magic power (3 MP) to
                  | strengthen your wands. [potion of mutation]
134295 | Tomb:3   | Gained mutation: You are somewhat resistant to further
                  | mutation. [potion of mutation]
134296 | Tomb:3   | Lost mutation: You are somewhat resistant to further
                  | mutation. [potion of mutation]
134296 | Tomb:3   | Lost mutation: You have supernaturally acute eyesight.
                  | (SInv) [potion of mutation]
134296 | Tomb:3   | Gained mutation: You have large cloven feet. [potion of
                  | mutation]
134296 | Tomb:3   | Gained mutation: You occasionally shout uncontrollably at
                  | your foes. [potion of mutation]
134297 | Tomb:3   | Lost mutation: You occasionally shout uncontrollably at
                  | your foes. [potion of mutation]
134297 | Tomb:3   | Lost mutation: You have large cloven feet. [potion of
                  | mutation]
134297 | Tomb:3   | Lost mutation: You expend magic power (3 MP) to strengthen
                  | your wands. [potion of mutation]
134297 | Tomb:3   | Gained mutation: You are vulnerable to cold. (rC-) [potion
                  | of mutation]
134297 | Tomb:3   | Gained mutation: You are agile. (Dex +4, Str/Int -1)
                  | [potion of mutation]
134298 | Tomb:3   | Lost mutation: You are agile. (Dex +4, Str/Int -1) [potion
                  | of mutation]
134298 | Tomb:3   | Lost mutation: You are vulnerable to cold. (rC-) [potion of
                  | mutation]
134298 | Tomb:3   | Gained mutation: Your skin changes colour to match your
                  | surroundings (Stealth+). [potion of mutation]
134299 | Tomb:3   | Lost mutation: Your skin changes colour to match your
                  | surroundings (Stealth+). [potion of mutation]
134299 | Tomb:3   | Gained mutation: You expend magic power (3 MP) to
                  | strengthen your wands. [potion of mutation]
134299 | Tomb:3   | Gained mutation: Your flesh is heat resistant. (rF+)
                  | [potion of mutation]
134300 | Tomb:3   | Lost mutation: You expend magic power (3 MP) to strengthen
                  | your wands. [potion of mutation]
134300 | Tomb:3   | Lost mutation: Your flesh is heat resistant. (rF+) [potion
                  | of mutation]
134300 | Tomb:3   | Gained mutation: You have large cloven feet. [potion of
                  | mutation]
134301 | Tomb:3   | Lost mutation: You have large cloven feet. [potion of
                  | mutation]
134301 | Tomb:3   | Gained mutation: Armour fits poorly on your strangely
                  | shaped body. [potion of mutation]
134301 | Tomb:3   | Gained mutation: You have an increased reservoir of magic.
                  | (+10% MP) [potion of mutation]
134302 | Tomb:3   | Lost mutation: You have an increased reservoir of magic.
                  | (+10% MP) [potion of mutation]
134302 | Tomb:3   | Lost mutation: Armour fits poorly on your strangely shaped
                  | body. [potion of mutation]
134302 | Tomb:3   | Gained mutation: A frigid envelope surrounds you and
                  | freezes all who hurt you. [potion of mutation]
134302 | Tomb:3   | Gained mutation: You passively dampen the noise of your
                  | surroundings. [potion of mutation]
134302 | Tomb:3   | Gained mutation: You occasionally lose the ability to read
                  | scrolls when taking damage. [potion of mutation]
134302 | Tomb:3   | Gained mutation: You are strong-willed. (Will+) [potion of
                  | mutation]
134303 | Tomb:3   | Lost mutation: A frigid envelope surrounds you and freezes
                  | all who hurt you. [potion of mutation]
134303 | Tomb:3   | Lost mutation: You passively dampen the noise of your
                  | surroundings. [potion of mutation]
134303 | Tomb:3   | Gained mutation: You expend magic power (3 MP) to
                  | strengthen your wands. [potion of mutation]
134303 | Tomb:3   | Gained mutation: You have a pair of small horns on your
                  | head. [potion of mutation]
134303 | Tomb:3   | Gained mutation: You are partially covered in iridescent
                  | scales. (AC +2) [potion of mutation]
134304 | Tomb:3   | Lost mutation: You are strong-willed. (Will+) [potion of
                  | mutation]
134304 | Tomb:3   | Lost mutation: You occasionally lose the ability to read
                  | scrolls when taking damage. [potion of mutation]
134304 | Tomb:3   | Gained mutation: You are agile. (Dex +4, Str/Int -1)
                  | [potion of mutation]
134305 | Tomb:3   | Lost mutation: You have a pair of small horns on your head.
                  | [potion of mutation]
134305 | Tomb:3   | Lost mutation: You are agile. (Dex +4, Str/Int -1) [potion
                  | of mutation]
134305 | Tomb:3   | Lost mutation: You expend magic power (3 MP) to strengthen
                  | your wands. [potion of mutation]
134305 | Tomb:3   | Gained mutation: You have a pair of small antennae on your
                  | head. [potion of mutation]
134305 | Tomb:3   | Gained mutation: You possess an exceptional clarity of
                  | mind. [potion of mutation]
134305 | Tomb:3   | Gained mutation: You are strong-willed. (Will+) [potion of
                  | mutation]
134802 | Depths:3 | Lost mutation: You possess an exceptional clarity of mind.
                  | [potion of mutation]
134802 | Depths:3 | Lost mutation: You have a pair of small antennae on your
                  | head. [potion of mutation]
134802 | Depths:3 | Lost mutation: You are strong-willed. (Will+) [potion of
                  | mutation]
134802 | Depths:3 | Gained mutation: You are strong-willed. (Will+) [potion of
                  | mutation]
134802 | Depths:3 | Gained mutation: You possess an exceptional clarity of
                  | mind. [potion of mutation]
134802 | Depths:3 | Gained mutation: You have supernaturally acute eyesight.
                  | (SInv) [potion of mutation]
134802 | Depths:3 | Gained mutation: You have sharp fingernails. [potion of
                  | mutation]
135751 | Zig:1    | Entered Level 1 of a ziggurat
135786 | Zig:2    | Entered Level 2 of a ziggurat
135786 | Zig:2    | Noticed a dread lich
135787 | Zig:2    | Noticed an ancient lich
135787 | Zig:2    | Noticed an ancient lich
135788 | Zig:2    | Killed a dread lich
135788 | Zig:2    | Killed an ancient lich
135791 | Zig:2    | Killed an ancient lich
135812 | Zig:3    | Entered Level 3 of a ziggurat
135812 | Zig:3    | Noticed Cirepug the pandemonium lord
135813 | Zig:3    | Noticed Mups the pandemonium lord
135813 | Zig:3    | Noticed Giesunt the pandemonium lord
135815 | Zig:3    | Killed Mups the pandemonium lord
135820 | Zig:3    | Killed Giesunt the pandemonium lord
135824 | Zig:3    | Killed Cirepug the pandemonium lord
135893 | Zig:4    | Entered Level 4 of a ziggurat
135896 | Zig:4    | Found the +5 glaive of the Guard {elec, spectral}
135984 | Zig:5    | Entered Level 5 of a ziggurat
136035 | Zig:5    | Identified the ring "Onwi" {Wiz rF+ Str+3 Dex+5}
136069 | Zig:6    | Entered Level 6 of a ziggurat
136071 | Zig:6    | Noticed a royal mummy
136072 | Zig:6    | Killed a royal mummy
136072 | Zig:6    | Noticed a royal mummy
136074 | Zig:6    | Killed a royal mummy
136169 | Zig:7    | Entered Level 7 of a ziggurat
136226 | Zig:7    | Identified the +12 plate armour "Ron Luih" {rF- rN+ Slay+2
                  | SInv}
136303 | Zig:7    | Acquired 1065 gold pieces
136313 | Zig:8    | Entered Level 8 of a ziggurat
136319 | Zig:8    | Noticed an ancient lich
136319 | Zig:8    | Noticed an ancient lich
136319 | Zig:8    | Noticed an ancient lich
136319 | Zig:8    | Noticed an ancient lich
136320 | Zig:8    | Killed an ancient lich
136320 | Zig:8    | Killed an ancient lich
136321 | Zig:8    | Noticed an ancient lich
136321 | Zig:8    | Noticed an ancient lich
136321 | Zig:8    | Noticed a dread lich
136322 | Zig:8    | Noticed a dread lich
136322 | Zig:8    | Killed an ancient lich
136322 | Zig:8    | Killed an ancient lich
136322 | Zig:8    | Killed an ancient lich
136322 | Zig:8    | Killed a dread lich
136322 | Zig:8    | Killed a dread lich
136323 | Zig:8    | Killed an ancient lich
136438 | Zig:9    | Entered Level 9 of a ziggurat
136458 | Zig:9    | Found the +5 woodcutter's axe
136537 | Zig:9    | Identified the ring of Anlim {rElec rCorr AC+4 Dex+3}
136646 | Zig:10   | Entered Level 10 of a ziggurat
136659 | Zig:10   | Noticed Himoyh Wuhif the pandemonium lord
136664 | Zig:10   | Killed Himoyh Wuhif the pandemonium lord
136755 | Zig:10   | Identified the staff "Koqoidgh" {rC+ Int+3 Ice}
136756 | Zig:10   | Identified the amulet "Cyviros" {Spirit Str+5}
136759 | Zig:10   | Identified the staff of Sufficient Expedience {rPois rN+
                  | Alchemy}
136761 | Zig:10   | Identified the storm talisman of Funighast {Int+4}
136792 | Zig:11   | Entered Level 11 of a ziggurat
136800 | Zig:11   | Paralysed by an air elemental for 1 turns
136878 | Zig:11   | Identified the +11 short sword "Etohogyu" {freeze, rF+
                  | Int+4 SInv}
136968 | Zig:12   | Entered Level 12 of a ziggurat
136983 | Zig:12   | Reached skill level 27 in Ice Magic
136985 | Zig:12   | Found the +27 heavy crossbow "Sniper" {heavy, Acc+∞ SInv}
137172 | Zig:13   | Entered Level 13 of a ziggurat
137177 | Zig:13   | Noticed Mojoaz's ghost (legendary GrFi)
137177 | Zig:13   | Noticed Mojoaz's ghost (legendary GrFi)
137177 | Zig:13   | Noticed Mojoaz's ghost (legendary GrFi)
137178 | Zig:13   | Noticed Mojoaz's ghost (legendary GrFi)
137181 | Zig:13   | Noticed Mojoaz's ghost (legendary GrFi)
137183 | Zig:13   | Noticed Mojoaz's ghost (legendary GrFi)
137184 | Zig:13   | Killed Mojoaz's ghost
137185 | Zig:13   | Killed Mojoaz's ghost
137185 | Zig:13   | Noticed Mojoaz's ghost (legendary GrFi)
137188 | Zig:13   | Killed Mojoaz's ghost
137189 | Zig:13   | Killed Mojoaz's ghost
137189 | Zig:13   | Killed Mojoaz's ghost
137190 | Zig:13   | Killed Mojoaz's ghost
137191 | Zig:13   | Killed Mojoaz's ghost
137192 | Zig:13   | Noticed Mojoaz's ghost (legendary GrFi)
137194 | Zig:13   | Noticed Mojoaz's ghost (legendary GrFi)
137198 | Zig:13   | Killed Mojoaz's ghost
137199 | Zig:13   | Killed Mojoaz's ghost
137201 | Zig:13   | Noticed Mojoaz's ghost (legendary GrFi)
137204 | Zig:13   | Found the ring of the Mage {Wiz Archmagi}
137216 | Zig:13   | Killed Mojoaz's ghost
137372 | Zig:13   | Identified the +3 leather armour of Defe Evu {rPois Dex+5
                  | Slay-5 Stlth-}
137390 | Zig:14   | Entered Level 14 of a ziggurat
137632 | Zig:15   | Entered Level 15 of a ziggurat
137726 | Zig:15   | Identified the staff of Yva Ihiz {^Contam rF+ rN+ Necro
                  | Fire Alchemy}
137845 | Zig:16   | Entered Level 16 of a ziggurat
137857 | Zig:16   | Noticed Asuisch the pandemonium lord
137857 | Zig:16   | Noticed Evoun the pandemonium lord
137857 | Zig:16   | Noticed Utadwod the pandemonium lord
137858 | Zig:16   | Noticed Xuuboih the pandemonium lord
137859 | Zig:16   | Noticed Nuatutai the pandemonium lord
137861 | Zig:16   | Noticed Arphuud the pandemonium lord
137862 | Zig:16   | Killed Utadwod the pandemonium lord
137862 | Zig:16   | Killed Nuatutai the pandemonium lord
137862 | Zig:16   | Noticed Gezeceuxe the pandemonium lord
137863 | Zig:16   | Killed Asuisch the pandemonium lord
137863 | Zig:16   | Noticed Bevuivatio the pandemonium lord
137865 | Zig:16   | Killed Evoun the pandemonium lord
137865 | Zig:16   | Noticed Ecuger the pandemonium lord
137866 | Zig:16   | Killed Bevuivatio the pandemonium lord
137866 | Zig:16   | Killed Xuuboih the pandemonium lord
137866 | Zig:16   | Killed Gezeceuxe the pandemonium lord
137867 | Zig:16   | Reached skill level 27 in Translocations
137867 | Zig:16   | Noticed Necrauta the pandemonium lord
137867 | Zig:16   | Noticed Pesh the pandemonium lord
137867 | Zig:16   | Noticed Joopnam the pandemonium lord
137867 | Zig:16   | Noticed Nivaegych the pandemonium lord
137868 | Zig:16   | Killed Ecuger the pandemonium lord
137868 | Zig:16   | Killed Nivaegych the pandemonium lord
137869 | Zig:16   | Killed Arphuud the pandemonium lord
137869 | Zig:16   | Killed Xeggieri the pandemonium lord
137869 | Zig:16   | Killed Joopnam the pandemonium lord
137870 | Zig:16   | Noticed Juikaim the pandemonium lord
137871 | Zig:16   | Noticed Niaviri the pandemonium lord
137871 | Zig:16   | Killed Necrauta the pandemonium lord
137873 | Zig:16   | Noticed Zuchodug the pandemonium lord
137874 | Zig:16   | Noticed Immirr the pandemonium lord
137880 | Zig:16   | Killed Niaviri the pandemonium lord
137881 | Zig:16   | Killed Immirr the pandemonium lord
137882 | Zig:16   | Reached skill level 10 in Short Blades
137882 | Zig:16   | Killed Pesh the pandemonium lord
137885 | Zig:16   | Found the +6 arbalest "Damnation" {damnation}
137886 | Zig:16   | Killed Juikaim the pandemonium lord
137891 | Zig:16   | Killed Zuchodug the pandemonium lord
137992 | Zig:16   | Identified the +6 rapier of the Lumpy Coins {freeze, rCorr
                  | Dex+3}
138035 | Zig:16   | Identified the staff "Jaupn" {rPois rN+ Will+ Str+2 Necro}
138043 | Zig:16   | Identified the +6 battleaxe of Rytibayk {antimagic, Fly
                  | rN+}
138141 | Zig:17   | Entered Level 17 of a ziggurat
138150 | Zig:17   | Noticed a juggernaut
138151 | Zig:17   | Noticed a juggernaut
138157 | Zig:17   | Killed a juggernaut
138158 | Zig:17   | Noticed a juggernaut
138160 | Zig:17   | Killed a juggernaut
138161 | Zig:17   | Killed a juggernaut
138168 | Zig:17   | Found the +16 obsidian axe {drain, demonic, Mesm ^Drain Fly
                  | SInv}
138215 | Zig:17   | Identified the +1 dire flail of Daijosm {heavy, rN+ Stlth+}
138217 | Zig:17   | Identified the +3 morningstar "Attoynah" {heavy, ^Drain
                  | Int+3 SInv}
138230 | Zig:17   | Identified the ring "Doelyose" {*Corrode rElec rN++ Will+
                  | Str+3}
138233 | Zig:17   | Identified the +9 orcbow of Disharmony {drain, rElec Int+4}
138240 | Zig:17   | Identified the ring "Feiw" {Ice rElec MP+9 Str-2 Int+5}
138545 | Zig:18   | Entered Level 18 of a ziggurat
138564 | Zig:18   | Reached skill level 15 in Short Blades
138565 | Zig:18   | Noticed a dread lich
138566 | Zig:18   | Killed a dread lich
138569 | Zig:18   | Noticed an ancient lich
138570 | Zig:18   | Noticed a dread lich
138571 | Zig:18   | Killed an ancient lich
138572 | Zig:18   | Noticed a dread lich
138574 | Zig:18   | Killed a dread lich
138574 | Zig:18   | Killed a dread lich
138578 | Zig:18   | Noticed an ancient lich
138580 | Zig:18   | Killed an ancient lich
138829 | Zig:19   | Entered Level 19 of a ziggurat
138872 | Zig:19   | Found the +11 plutonium sword {^Contam Stlth-}
138894 | Zig:19   | Identified the staff of the Thirsty Villages {rC+ Int+5
                  | Ice}
138903 | Zig:19   | Identified the ring of Alicronysm {*Corrode rC+ Str+6
                  | Stlth+}
139188 | Zig:19   | Identified the +5 kite shield "Zyna" {rF+ Regen+}
139255 | Zig:20   | Entered Level 20 of a ziggurat
139270 | Zig:20   | Noticed a dread lich
139274 | Zig:20   | Killed a dread lich
139581 | Zig:20   | Identified the +3 troll leather armour of Sif Muna's
                  | Generosity {rC- Will+ Regen+ rCorr Int+4}
139585 | Zig:20   | Identified the +5 orcbow of the Hall of Blades {drain, rN+
                  | Str-4 Int+3}
139588 | Zig:20   | Identified the +7 falchion of Destiny {flame, ^Drain rN++
                  | Dex+5}
139591 | Zig:20   | Identified the +5 kite shield "Yczybbid" {MP+9 Int+3}
139608 | Zig:20   | Identified the +2 great sword of Ragnarok {spect, rPois
                  | Str+3 Int+2}
139609 | Zig:20   | Identified the ring "Kiaraw" {rElec rPois EV+5 Int-5 Dex+2}
139620 | Zig:20   | Identified the +3 broad axe "Peeraenu" {drain, rCorr}
139622 | Zig:20   | Identified the amulet "Rurigax" {Will++ Regen+ Stlth+}
139743 | Zig:21   | Entered Level 21 of a ziggurat
139807 | Zig:21   | Identified the +6 long sword "Upeulou" {vamp, rElec Will+}
139817 | Zig:21   | Identified the amulet of Poly {Reflect Slay+2 SH+5}
139828 | Zig:21   | Identified the amulet "Coinutob" {Acrobat -Tele rN+++ Str+4
                  | Int-4}
139838 | Zig:21   | Identified the +3 great sword "Huhonoh" {speed, rF+ Str+5
                  | Dex-3}
139846 | Zig:21   | Identified the +7 short sword of Kysa {protect, *Noise rF++
                  | SInv}
139852 | Zig:21   | Identified the +0 cloak of Sif Muna's Favour {Dex+7}
139853 | Zig:21   | Identified the +6 dagger "Eferyun" {drain, Fly Str+3 Dex-2}
140154 | Zig:22   | Entered Level 22 of a ziggurat
140174 | Zig:22   | Noticed Laosoupt the pandemonium lord
140174 | Zig:22   | Noticed Zoroe the pandemonium lord
140174 | Zig:22   | Noticed Wamoros the pandemonium lord
140174 | Zig:22   | Noticed Ruecloug the pandemonium lord
140175 | Zig:22   | Noticed Yjotiex the pandemonium lord
140175 | Zig:22   | Noticed Fuina the pandemonium lord
140175 | Zig:22   | Noticed Neoshol the pandemonium lord
140176 | Zig:22   | Noticed Tacs the pandemonium lord
140176 | Zig:22   | Killed Ruecloug the pandemonium lord
140176 | Zig:22   | Killed Yjotiex the pandemonium lord
140176 | Zig:22   | Noticed Leoblal the pandemonium lord
140176 | Zig:22   | Noticed Mural the pandemonium lord
140176 | Zig:22   | Noticed Viceuxt the pandemonium lord
140176 | Zig:22   | Noticed Tybre the pandemonium lord
140176 | Zig:22   | Noticed Ipoomirch the pandemonium lord
140176 | Zig:22   | Noticed Mipa the pandemonium lord
140176 | Zig:22   | Noticed Xymas the pandemonium lord
140176 | Zig:22   | Noticed Wuninod the pandemonium lord
140176 | Zig:22   | Noticed Punnonae the pandemonium lord
140176 | Zig:22   | Noticed Kuiwk the pandemonium lord
140177 | Zig:22   | Noticed Ujoakiom the pandemonium lord
140177 | Zig:22   | Killed Mural the pandemonium lord
140177 | Zig:22   | Killed Xymas the pandemonium lord
140177 | Zig:22   | Killed Kuiwk the pandemonium lord
140177 | Zig:22   | Killed Punnonae the pandemonium lord
140177 | Zig:22   | Killed Tacs the pandemonium lord
140177 | Zig:22   | Noticed Vaamuyps the pandemonium lord
140177 | Zig:22   | Killed Xaogua Juas the pandemonium lord
140178 | Zig:22   | Reached skill level 27 in Short Blades
140178 | Zig:22   | Killed Ipoomirch the pandemonium lord
140178 | Zig:22   | Killed Fuina the pandemonium lord
140178 | Zig:22   | Noticed Yroxucyi the pandemonium lord
140178 | Zig:22   | Noticed Naofoema the pandemonium lord
140179 | Zig:22   | Noticed Seato the pandemonium lord
140179 | Zig:22   | Killed Tybre the pandemonium lord
140179 | Zig:22   | Killed Laosoupt the pandemonium lord
140179 | Zig:22   | Killed Viceuxt the pandemonium lord
140179 | Zig:22   | Noticed Olozaipp the pandemonium lord
140180 | Zig:22   | Noticed Deoptul the pandemonium lord
140180 | Zig:22   | Killed Zoroe the pandemonium lord
140180 | Zig:22   | Killed Deoptul the pandemonium lord
140180 | Zig:22   | Killed Seato the pandemonium lord
140180 | Zig:22   | Killed Leoblal the pandemonium lord
140180 | Zig:22   | Killed Olozaipp the pandemonium lord
140180 | Zig:22   | Noticed Weroosel the pandemonium lord
140180 | Zig:22   | Noticed Mennij the pandemonium lord
140180 | Zig:22   | Killed Neoshol the pandemonium lord
140180 | Zig:22   | Noticed Koykon the pandemonium lord
140181 | Zig:22   | Killed Ujoakiom the pandemonium lord
140185 | Zig:22   | Noticed Rereffyv the pandemonium lord
140186 | Zig:22   | Killed Rereffyv the pandemonium lord
140186 | Zig:22   | Killed Mipa the pandemonium lord
140186 | Zig:22   | Noticed Nuor Epru the pandemonium lord
140186 | Zig:22   | Noticed Ateafuag the pandemonium lord
140187 | Zig:22   | Noticed Hiur the pandemonium lord
140189 | Zig:22   | Killed Hiur the pandemonium lord
140193 | Zig:22   | Killed Naofoema the pandemonium lord
140193 | Zig:22   | Killed Wamoros the pandemonium lord
140196 | Zig:22   | Killed Nuor Epru the pandemonium lord
140198 | Zig:22   | Killed Koykon the pandemonium lord
140199 | Zig:22   | Reached skill level 15 in Evocations
140199 | Zig:22   | Killed Yroxucyi the pandemonium lord
140200 | Zig:22   | Killed Vaamuyps the pandemonium lord
140201 | Zig:22   | Killed Mennij the pandemonium lord
140201 | Zig:22   | Noticed Wucifeb the pandemonium lord
140203 | Zig:22   | Killed Wuninod the pandemonium lord
140203 | Zig:22   | Noticed Kageff the pandemonium lord
140204 | Zig:22   | Killed Weroosel the pandemonium lord
140206 | Zig:22   | Killed Wucifeb the pandemonium lord
140207 | Zig:22   | Killed Kageff the pandemonium lord
140208 | Zig:22   | Noticed Beppawok the pandemonium lord
140209 | Zig:22   | Noticed Viewoeqo the pandemonium lord
140211 | Zig:22   | Killed Beppawok the pandemonium lord
140212 | Zig:22   | Killed Viewoeqo the pandemonium lord
140213 | Zig:22   | Noticed Cofib the pandemonium lord
140217 | Zig:22   | Killed Ateafuag the pandemonium lord
140218 | Zig:22   | Killed Cofib the pandemonium lord
140450 | Zig:22   | Identified the +8 chain mail "Bahamom" {rPois rC+ Str+4}
140452 | Zig:22   | Identified the +6 dagger of Lotik {vamp, rC+ rCorr Stlth+}
140459 | Zig:22   | Identified the amulet of the Centipede {Regen+ MP+9 Int+3
                  | Dex+4}
140461 | Zig:22   | Identified the orb "Zachuwong" {guile, Rampage rC+ rCorr
                  | Summ}
140486 | Zig:22   | Identified the +5 sling of Hatred {freeze, rF+ rN+ rCorr
                  | Stlth+}
140487 | Zig:22   | Identified the +1 trident of the Pit {antimagic, Dex+2}
140610 | Zig:23   | Entered Level 23 of a ziggurat
140622 | Zig:23   | Noticed a dread lich
140623 | Zig:23   | Noticed a dread lich
140626 | Zig:23   | Noticed a dread lich
140628 | Zig:23   | Killed a dread lich
140629 | Zig:23   | Noticed a dread lich
140630 | Zig:23   | Killed a dread lich
140630 | Zig:23   | Killed a dread lich
140630 | Zig:23   | Noticed a dread lich
140631 | Zig:23   | Noticed a dread lich
140631 | Zig:23   | Noticed a dread lich
140632 | Zig:23   | Noticed an ancient lich
140632 | Zig:23   | Killed a dread lich
140633 | Zig:23   | Noticed an ancient lich
140633 | Zig:23   | Noticed a dread lich
140634 | Zig:23   | Killed a dread lich
140634 | Zig:23   | Killed a dread lich
140635 | Zig:23   | Noticed an ancient lich
140635 | Zig:23   | Noticed an ancient lich
140635 | Zig:23   | Noticed an ancient lich
140635 | Zig:23   | Noticed an ancient lich
140636 | Zig:23   | Noticed a dread lich
140636 | Zig:23   | Killed an ancient lich
140636 | Zig:23   | Killed an ancient lich
140636 | Zig:23   | Killed a dread lich
140636 | Zig:23   | Killed a dread lich
140636 | Zig:23   | Killed an ancient lich
140636 | Zig:23   | Killed an ancient lich
140636 | Zig:23   | Noticed a dread lich
140637 | Zig:23   | Noticed a dread lich
140639 | Zig:23   | Noticed a dread lich
140639 | Zig:23   | Killed an ancient lich
140639 | Zig:23   | Killed a dread lich
140639 | Zig:23   | Killed an ancient lich
140639 | Zig:23   | Killed a dread lich
140640 | Zig:23   | Noticed an ancient lich
140640 | Zig:23   | Killed a dread lich
140641 | Zig:23   | Killed a dread lich
140644 | Zig:23   | Killed an ancient lich
140884 | Zig:23   | Identified the staff of Baoro {rElec Str+5 Air}
140898 | Zig:23   | Identified the staff of Xufo {Str+3 Air Earth}
140908 | Zig:23   | Identified the +9 flail "Heg Jauq" {freeze, rF+}
140915 | Zig:23   | Acquired 800 gold pieces
140921 | Zig:23   | Identified the +1 whip "Hydraslayer" {distort, rCorr}
140924 | Zig:23   | Identified the +7 battleaxe of Lies {freeze, Str+4}
140925 | Zig:23   | Identified the amulet "Omadghorph" {+Blink rPois Regen+
                  | Str-4 SInv}
140998 | Zig:24   | Entered Level 24 of a ziggurat
141279 | Zig:24   | Found the +3 warlock's mirror {omnireflect}
141304 | Zig:24   | Identified the +6 dagger "Zotom" {holy, +Blink rC+}
141307 | Zig:24   | Identified the +8 rapier of Ceapsap {freeze, ^Drain rCorr
                  | Int+4}
141322 | Zig:24   | Identified the +4 trident of the Horn {freeze, Will+ MP+9
                  | Str+3 Dex-3}
141323 | Zig:24   | Identified the +1 scale mail of Follow the Leader {rPois
                  | Dex+3}
141341 | Zig:24   | Identified the +4 scale mail "Udghyli" {Str+3}
141347 | Zig:24   | Identified the +3 barding "Rieghaizo" {rN+++ Will+ Str+6}
141473 | Zig:25   | Entered Level 25 of a ziggurat
141497 | Zig:25   | Reached skill level 27 in Evocations
141501 | Zig:25   | Reached skill level 5 in Shields
141510 | Zig:25   | Reached skill level 10 in Shields
141532 | Zig:25   | Reached skill level 15 in Shields
141930 | Zig:25   | Identified the +0 scale mail of the Bulwark {rF+++ rC-
                  | Str-4 SInv}
141932 | Zig:25   | Found the +5 demon whip "Spellbinder" {antimagic, disrupt,
                  | Will+}
141936 | Zig:25   | Identified the +6 whip "Myoniesy" {vamp, SInv}
141941 | Zig:25   | Identified the amulet "Uvuheytou" {Reflect rPois SH+5}
141942 | Zig:25   | Identified the +5 plate armour "Qefo" {^Drain Will++ Str+2}
141943 | Zig:25   | Identified the +4 robe "Soeshedi" {rF+ Dex+4}
141949 | Zig:25   | Identified the ring of Hamicitz {Will+ Int+6 Stlth-}
141951 | Zig:25   | Identified the +0 short sword of the Ecumenical Temple
                  | {speed, rPois rN+ Dex-3 SInv}
141952 | Zig:25   | Identified the +1 great mace of the Moon {pain, Str+6}
141963 | Zig:25   | Identified the +0 robe of Polish {*Corrode rElec rPois
                  | Str+2 Slay+4}
141974 | Zig:25   | Identified the +3 hand axe of Fasixt {speed, ^Fragile rF+
                  | SInv}
142040 | Zig:26   | Entered Level 26 of a ziggurat
142058 | Zig:26   | Noticed a juggernaut
142059 | Zig:26   | Noticed a juggernaut
142060 | Zig:26   | Killed a juggernaut
142065 | Zig:26   | Noticed a royal mummy
142065 | Zig:26   | Noticed a juggernaut
142065 | Zig:26   | Noticed a juggernaut
142066 | Zig:26   | Killed a juggernaut
142067 | Zig:26   | Noticed a juggernaut
142068 | Zig:26   | Killed a juggernaut
142069 | Zig:26   | Noticed a juggernaut
142069 | Zig:26   | Noticed a juggernaut
142070 | Zig:26   | Noticed a juggernaut
142070 | Zig:26   | Killed a juggernaut
142070 | Zig:26   | Killed a juggernaut
142072 | Zig:26   | Killed a juggernaut
142072 | Zig:26   | Killed a juggernaut
142072 | Zig:26   | Killed a juggernaut
142075 | Zig:26   | Noticed a juggernaut
142076 | Zig:26   | Killed a royal mummy
142079 | Zig:26   | Killed a juggernaut
142089 | Zig:26   | Found the +6 Majin-Bo {spellvamp, MP+6 Int+6}
142325 | Zig:26   | Identified the staff of Kucvu {*Corrode +Blink rElec Dex+5
                  | Air}
142329 | Zig:26   | Identified the +4 buckler "Sochuank" {+Blink Int-5 Dex+2}
142330 | Zig:26   | Identified the amulet "Kuitra Laops" {Faith rPois Str-3
                  | Slay+5}
142454 | Zig:26   | Identified the staff "Hydraslayer" {rElec Str+3 Ice Air}
142484 | Zig:26   | Identified the +2 pair of gloves of the Narrow God {Slay+3}
142696 | Zig:27   | Entered Level 27 of a ziggurat
142729 | Zig:27   | Reached skill level 27 in Shields
142749 | Zig:27   | Found the +5 robe of Misfortune {Harm *Corrode *Slow EV+5}
142822 | Zig:27   | Identified the +12 quarterstaff of Dismemberment {flame,
                  | ^Fragile rC- Str+2 Dex+10}
142908 | Zig:27   | Identified the ring of Ovebeq {+Blink rElec rPois Str-3
                  | Dex-2}
143149 | Zig:27   | Identified the staff "Zigoynke" {*Corrode rC+ Str+8 SInv
                  | Stlth- Ice}
143162 | Zig:27   | Identified the +1 plate armour "Wirui" {-Tele rC+ Str+2
                  | Int+8}
143168 | Zig:27   | Identified the +4 ring mail of the Vacuum {rN+ Int+5 Dex+3}
143171 | Zig:27   | Identified the staff of Ryen {rF+ Dex-3 Stlth+ Fire Ice}
143386 | Zig:1    | Entered Level 1 of a ziggurat
143406 | Zig:2    | Entered Level 2 of a ziggurat
143406 | Zig:2    | Noticed a dread lich
143408 | Zig:2    | Killed a dread lich
143439 | Zig:3    | Entered Level 3 of a ziggurat
143439 | Zig:3    | Noticed a dread lich
143439 | Zig:3    | Noticed an ancient lich
143439 | Zig:3    | Noticed an ancient lich
143439 | Zig:3    | Noticed a dread lich
143440 | Zig:3    | Killed an ancient lich
143441 | Zig:3    | Killed a dread lich
143441 | Zig:3    | Killed a dread lich
143445 | Zig:3    | Killed an ancient lich
143479 | Zig:4    | Entered Level 4 of a ziggurat
143576 | Zig:5    | Entered Level 5 of a ziggurat
143701 | Zig:6    | Entered Level 6 of a ziggurat
143702 | Zig:6    | Noticed Mojoaz's ghost (legendary GrFi)
143706 | Zig:6    | Noticed Mojoaz's ghost (legendary GrFi)
143707 | Zig:6    | Noticed Mojoaz's ghost (legendary GrFi)
143708 | Zig:6    | Killed Mojoaz's ghost
143713 | Zig:6    | Killed Mojoaz's ghost
143713 | Zig:6    | Killed Mojoaz's ghost
143795 | Zig:7    | Entered Level 7 of a ziggurat
143800 | Zig:7    | Noticed a royal mummy
143804 | Zig:7    | Killed a royal mummy
143864 | Zig:7    | Identified the staff of Noelaed {rF+ rC- Will+++ Stlth-
                  | Fire Air}
143868 | Zig:7    | Identified the +8 war axe "Qocra" {freeze, Str+4 SInv}
143878 | Zig:7    | Identified the +8 hand cannon "Quleosuk" {freeze, rF+
                  | Will++}
143969 | Zig:8    | Entered Level 8 of a ziggurat
143969 | Zig:8    | Noticed a juggernaut
143974 | Zig:8    | Killed a juggernaut
144159 | Zig:9    | Entered Level 9 of a ziggurat
144166 | Zig:9    | Noticed Vemom the pandemonium lord
144167 | Zig:9    | Noticed Myihotz the pandemonium lord
144168 | Zig:9    | Noticed Gize the pandemonium lord
144169 | Zig:9    | Killed Vemom the pandemonium lord
144170 | Zig:9    | Noticed Asilloti the pandemonium lord
144172 | Zig:9    | Killed Myihotz the pandemonium lord
144172 | Zig:9    | Killed Asilloti the pandemonium lord
144172 | Zig:9    | Noticed Ottywiwk the pandemonium lord
144173 | Zig:9    | Killed Gize the pandemonium lord
144175 | Zig:9    | Noticed Kuagot the pandemonium lord
144175 | Zig:9    | Noticed Lyroinill the pandemonium lord
144175 | Zig:9    | Noticed Icaocwo the pandemonium lord
144176 | Zig:9    | Killed Kuagot the pandemonium lord
144177 | Zig:9    | Noticed Meoruat the pandemonium lord
144178 | Zig:9    | Killed Ottywiwk the pandemonium lord
144180 | Zig:9    | Noticed Gammed the pandemonium lord
144183 | Zig:9    | Killed Lyroinill the pandemonium lord
144183 | Zig:9    | Killed Meoruat the pandemonium lord
144184 | Zig:9    | Reached skill level 27 in Unarmed Combat
144184 | Zig:9    | Killed Icaocwo the pandemonium lord
144186 | Zig:9    | Killed Gammed the pandemonium lord
144186 | Zig:9    | Noticed Ipuups the pandemonium lord
144187 | Zig:9    | Noticed Rewavyem the pandemonium lord
144190 | Zig:9    | Reached skill level 5 in Alchemy
144190 | Zig:9    | Killed Ipuups the pandemonium lord
144193 | Zig:9    | Killed Rewavyem the pandemonium lord
144321 | Zig:9    | Identified the +1 war axe of the Summoning Oracle
                  | {antimagic, rF- Str+4}
144368 | Zig:10   | Entered Level 10 of a ziggurat
144376 | Zig:10   | Reached skill level 10 in Alchemy
144596 | Zig:10   | Identified the +8 short sword "Ikojo" {venom, Dex+3}
144614 | Zig:10   | Identified the +8 lajatang of Noon {freeze, rElec Will-
                  | Dex+3 Stlth+}
144632 | Zig:11   | Entered Level 11 of a ziggurat
144748 | Zig:11   | Identified the +1 halberd "Alucia" {venom, rN+ rCorr}
144757 | Zig:11   | Identified the +6 dagger "Trog's Hatred" {flame, rPois rF-
                  | Will+++ Str-4}
144764 | Zig:11   | Identified the +0 scale mail "Jaegovon" {Str+2}
144777 | Zig:11   | Identified the +6 great mace of Entrepreneurial Spirit
                  | {flame, rPois Str-2 Int+3 Stlth+}
144870 | Zig:12   | Entered Level 12 of a ziggurat
144877 | Zig:12   | Noticed a dread lich
144877 | Zig:12   | Noticed an ancient lich
144879 | Zig:12   | Killed an ancient lich
144880 | Zig:12   | Noticed a dread lich
144880 | Zig:12   | Noticed an ancient lich
144880 | Zig:12   | Noticed a dread lich
144881 | Zig:12   | Noticed an ancient lich
144881 | Zig:12   | Noticed an ancient lich
144882 | Zig:12   | Killed an ancient lich
144882 | Zig:12   | Killed a dread lich
144882 | Zig:12   | Killed a dread lich
144883 | Zig:12   | Reached skill level 15 in Alchemy
144883 | Zig:12   | Noticed an ancient lich
144884 | Zig:12   | Killed a dread lich
144885 | Zig:12   | Killed an ancient lich
144885 | Zig:12   | Killed an ancient lich
144889 | Zig:12   | Killed an ancient lich
145023 | Zig:12   | Identified the +1 orcbow of Tension {flame, rElec rC+
                  | Int+2}
145062 | Zig:13   | Entered Level 13 of a ziggurat
145132 | Zig:13   | Identified the amulet of Sexalafe {RegenMP rElec rC- Will+
                  | MP+9}
145151 | Zig:13   | Identified the +3 broad axe "Beastbane" {drain, rN+ Int+3}
145163 | Zig:13   | Identified the amulet of Saussado {RegenMP Rampage Regen+
                  | Dex+2 Slay+5}
145173 | Zig:13   | Identified the staff of Aqean {rF+ Fire Ice}
145190 | Zig:13   | Identified the staff "Tykluy" {rElec Tloc Air}
145330 | Zig:14   | Entered Level 14 of a ziggurat
145347 | Zig:14   | Found the ring of the Tortoise {AC+8}
145547 | Zig:14   | Identified the +0 kite shield of Yesterday {Str+5 Dex-3}
145621 | Zig:15   | Entered Level 15 of a ziggurat
145725 | Zig:15   | Identified the staff of Expedience {^Fragile rPois rCorr
                  | Int-3 Dex+7 Alchemy}
145746 | Zig:15   | Identified the ring "Veti" {rN+ Str+2 Int+4 Slay+4}
145753 | Zig:15   | Identified the staff of Shrieking Terror {rN+ Necro Tloc}
145929 | Zig:16   | Entered Level 16 of a ziggurat
145937 | Zig:16   | Noticed a juggernaut
145937 | Zig:16   | Noticed a juggernaut
145940 | Zig:16   | Noticed a juggernaut
145942 | Zig:16   | Killed a juggernaut
145942 | Zig:16   | Killed a juggernaut
145942 | Zig:16   | Killed a juggernaut
145943 | Zig:16   | Noticed a juggernaut
145947 | Zig:16   | Found the +3 Elemental Staff {ele, rElec rF+ rC+ AC+3}
145949 | Zig:16   | Found the +10 Black Knight's barding {ponderous, rPois rN+}
145952 | Zig:16   | Found the ring of the Hare {EV+10}
145952 | Zig:16   | Killed a juggernaut
146254 | Zig:16   | Identified the +2 cloak of the Dwarven Hall {^Drain rC+
                  | Regen+ Int+4}
146285 | Zig:16   | Identified the +0 scale mail of Lunisuh {rElec rPois MP-9
                  | Int+3}
146378 | Zig:17   | Entered Level 17 of a ziggurat
146456 | Zig:17   | Identified the +1 mace of the Baking Gnat {antimagic,
                  | Dex+4}
146461 | Zig:17   | Identified the ring "Zedwalil" {Wiz +Blink rElec rF- rN+}
146464 | Zig:17   | Identified the staff of Ciymow {rF- Dex+3 Earth}
146466 | Zig:17   | Identified the +9 dire flail "Starlight" {vamp, Dex+2}
146467 | Zig:17   | Identified the +0 dagger of the Ghostly God {vamp, rN+}
146634 | Zig:18   | Entered Level 18 of a ziggurat
146661 | Zig:18   | Noticed Kaopsuna the pandemonium lord
146663 | Zig:18   | Reached skill level 27 in Alchemy
146663 | Zig:18   | Reached skill level 1 in Long Blades
146669 | Zig:18   | Reached skill level 5 in Long Blades
146670 | Zig:18   | Killed Kaopsuna the pandemonium lord
146675 | Zig:18   | Found the +12 glaive of Prune {freeze, Prune}
146675 | Zig:18   | Found the +13 scythe of Curses {drain, curses, ^Drain}
146830 | Zig:18   | Identified the +8 flail "Gyen" {vamp, Int+3 Stlth+}
146901 | Zig:18   | Identified the +9 plate armour of Isemowu {Rampage Int+3}
146985 | Zig:19   | Entered Level 19 of a ziggurat
147003 | Zig:19   | Reached skill level 10 in Long Blades
147078 | Zig:19   | Identified the ring "Kuitzuce" {^Drain rF+ Int+4 Dex+5}
147089 | Zig:19   | Identified the amulet of Spontaneous Combustion {rC+++
                  | Will+++ Regen+ Dex-4}
147306 | Zig:19   | Identified the +2 chain mail "Vorphy Hezeo" {rElec Will+
                  | Str+3 Dex-4}
147390 | Zig:19   | Acquired 587 gold pieces
147398 | Zig:20   | Entered Level 20 of a ziggurat
147417 | Zig:20   | Noticed a dread lich
147419 | Zig:20   | Noticed a dread lich
147419 | Zig:20   | Noticed an ancient lich
147419 | Zig:20   | Noticed a dread lich
147420 | Zig:20   | Killed a dread lich
147420 | Zig:20   | Killed a dread lich
147420 | Zig:20   | Killed an ancient lich
147421 | Zig:20   | Reached skill level 15 in Long Blades
147421 | Zig:20   | Noticed a dread lich
147421 | Zig:20   | Noticed a dread lich
147421 | Zig:20   | Noticed a dread lich
147422 | Zig:20   | Noticed a dread lich
147422 | Zig:20   | Noticed a dread lich
147422 | Zig:20   | Noticed an ancient lich
147422 | Zig:20   | Noticed an ancient lich
147423 | Zig:20   | Killed a dread lich
147423 | Zig:20   | Killed a dread lich
147423 | Zig:20   | Killed a dread lich
147423 | Zig:20   | Killed an ancient lich
147424 | Zig:20   | Noticed a dread lich
147424 | Zig:20   | Noticed an ancient lich
147424 | Zig:20   | Noticed a dread lich
147425 | Zig:20   | Killed an ancient lich
147425 | Zig:20   | Killed a dread lich
147425 | Zig:20   | Killed a dread lich
147425 | Zig:20   | Killed a dread lich
147426 | Zig:20   | Noticed a dread lich
147426 | Zig:20   | Noticed an ancient lich
147427 | Zig:20   | Noticed a dread lich
147427 | Zig:20   | Killed an ancient lich
147427 | Zig:20   | Killed a dread lich
147427 | Zig:20   | Noticed an ancient lich
147427 | Zig:20   | Noticed an ancient lich
147428 | Zig:20   | Killed a dread lich
147428 | Zig:20   | Killed an ancient lich
147428 | Zig:20   | Killed a dread lich
147429 | Zig:20   | Noticed a dread lich
147430 | Zig:20   | Killed a dread lich
147430 | Zig:20   | Killed an ancient lich
147431 | Zig:20   | Noticed a dread lich
147433 | Zig:20   | Noticed an ancient lich
147433 | Zig:20   | Killed a dread lich
147433 | Zig:20   | Killed an ancient lich
147433 | Zig:20   | Killed a dread lich
147436 | Zig:20   | Killed an ancient lich
147579 | Zig:20   | Identified the +11 orcbow of Plog {flame, Int+4}
147594 | Zig:20   | Identified the +5 plate armour "Tuerehub" {Fly rPois Str+6}
147698 | Zig:20   | Identified the +4 trident of Cosusoaxu {heavy, SInv}
147805 | Zig:21   | Entered Level 21 of a ziggurat
147826 | Zig:21   | Reached skill level 5 in Ranged Weapons
147828 | Zig:21   | Reached skill level 10 in Ranged Weapons
147831 | Zig:21   | Found the +0 pair of fencer's gloves {Riposte Dex+3}
147836 | Zig:21   | Reached skill level 15 in Ranged Weapons
147836 | Zig:21   | Found the +6 lightning scales {swift, rElec}
147844 | Zig:21   | Identified the +10 battleaxe of Pewkiun {antimagic,
                  | *Corrode rElec Will++ Str+9 Int-2}
147850 | Zig:21   | Identified the +0 scale mail of the Cooper {Rampage rN++
                  | Str-2 Slay+6}
147934 | Zig:21   | Identified the +9 flail of Exquisite Torment {freeze, rC+}
147940 | Zig:21   | Identified the +2 leather armour "Zugiy" {*Slow rElec rN+}
147942 | Zig:21   | Identified the staff of a bazaar {rElec Dex+3 Air}
147972 | Zig:21   | Identified the ring "Tinweili" {rC+ rN+ Int+5 Stlth+}
147974 | Zig:21   | Identified the staff of Resourcefulness {^Contam rPois
                  | Dex+3 SInv Alchemy}
148298 | Zig:22   | Entered Level 22 of a ziggurat
148310 | Zig:22   | Noticed a royal mummy
148311 | Zig:22   | Noticed a royal mummy
148312 | Zig:22   | Noticed a royal mummy
148316 | Zig:22   | Noticed a royal mummy
148317 | Zig:22   | Noticed a royal mummy
148317 | Zig:22   | Noticed a royal mummy
148318 | Zig:22   | Noticed a royal mummy
148318 | Zig:22   | Noticed a royal mummy
148319 | Zig:22   | Noticed a royal mummy
148319 | Zig:22   | Noticed a royal mummy
148319 | Zig:22   | Noticed a royal mummy
148319 | Zig:22   | Noticed a royal mummy
148320 | Zig:22   | Noticed a royal mummy
148321 | Zig:22   | Killed a royal mummy
148321 | Zig:22   | Killed a royal mummy
148321 | Zig:22   | Killed a royal mummy
148321 | Zig:22   | Killed a royal mummy
148321 | Zig:22   | Noticed a royal mummy
148322 | Zig:22   | Killed a royal mummy
148322 | Zig:22   | Killed a royal mummy
148322 | Zig:22   | Killed a royal mummy
148323 | Zig:22   | Killed a royal mummy
148323 | Zig:22   | Killed a royal mummy
148323 | Zig:22   | Killed a royal mummy
148323 | Zig:22   | Killed a royal mummy
148323 | Zig:22   | Killed a royal mummy
148323 | Zig:22   | Noticed a royal mummy
148324 | Zig:22   | Killed a royal mummy
148324 | Zig:22   | Killed a royal mummy
148324 | Zig:22   | Noticed a royal mummy
148326 | Zig:22   | Noticed a royal mummy
148327 | Zig:22   | Killed a royal mummy
148328 | Zig:22   | Noticed a royal mummy
148328 | Zig:22   | Noticed a royal mummy
148329 | Zig:22   | Noticed a royal mummy
148329 | Zig:22   | Noticed a royal mummy
148329 | Zig:22   | Noticed a royal mummy
148329 | Zig:22   | Noticed a royal mummy
148329 | Zig:22   | Noticed a royal mummy
148330 | Zig:22   | Killed a royal mummy
148330 | Zig:22   | Killed a royal mummy
148330 | Zig:22   | Killed a royal mummy
148330 | Zig:22   | Killed a royal mummy
148331 | Zig:22   | Killed a royal mummy
148332 | Zig:22   | Killed a royal mummy
148332 | Zig:22   | Killed a royal mummy
148332 | Zig:22   | Noticed a royal mummy
148333 | Zig:22   | Noticed a royal mummy
148333 | Zig:22   | Noticed a royal mummy
148333 | Zig:22   | Noticed a royal mummy
148334 | Zig:22   | Killed a royal mummy
148334 | Zig:22   | Killed a royal mummy
148334 | Zig:22   | Killed a royal mummy
148334 | Zig:22   | Killed a royal mummy
148334 | Zig:22   | Noticed a royal mummy
148335 | Zig:22   | Noticed a royal mummy
148335 | Zig:22   | Noticed a royal mummy
148335 | Zig:22   | Noticed a royal mummy
148335 | Zig:22   | Noticed a royal mummy
148337 | Zig:22   | Killed a royal mummy
148337 | Zig:22   | Killed a royal mummy
148338 | Zig:22   | Killed a royal mummy
148338 | Zig:22   | Noticed a royal mummy
148339 | Zig:22   | Noticed a royal mummy
148341 | Zig:22   | Killed a royal mummy
148341 | Zig:22   | Killed a royal mummy
148341 | Zig:22   | Killed a royal mummy
148341 | Zig:22   | Killed a royal mummy
148341 | Zig:22   | Killed a royal mummy
148342 | Zig:22   | Found the crystal ball of Wucad Mu {*channel}
148342 | Zig:22   | Killed a royal mummy
148676 | Zig:22   | Identified the storm talisman "Ustrirusa" {Str+4}
148677 | Zig:22   | Identified the +0 hand axe of the Shark {elec, Dex+2}
148686 | Zig:22   | Identified the +2 hand cannon "Iteg" {freeze, ^Fragile
                  | +Blink Dex+2}
148689 | Zig:22   | Identified the dragon-blood talisman "Pegasyux" {rF+ rC+
                  | Int+8 Stlth-}
148691 | Zig:22   | Identified the staff of Gozag's Favour {rN+ Will+ Int+4
                  | Stlth+ Necro}
148940 | Zig:22   | Acquired 728 gold pieces
148952 | Zig:23   | Entered Level 23 of a ziggurat
148986 | Zig:23   | Reached skill level 27 in Ranged Weapons
148992 | Zig:23   | Reached skill level 10 in Summonings
149065 | Zig:23   | Found the amulet of Elemental Vulnerability {rPois rF--
                  | rC-- AC+8}
149065 | Zig:23   | Found the +8 mithril axe "Arga" {speed, Will+}
149193 | Zig:23   | Identified the +1 robe "Ehucs" {rElec rN+ rCorr Dex-3}
149195 | Zig:23   | Identified the +0 pair of gloves "Gitosih" {rPois}
149196 | Zig:23   | Identified the +3 leather armour of the Kitsune {Will+
                  | Dex+3 Slay-2}
149197 | Zig:23   | Identified the +7 trident of Gaywny {antimagic, rCorr Dex+5
                  | SInv}
149204 | Zig:23   | Identified the ring "Omyukhleyhe" {Wiz rElec Str+3 Stlth+}
149213 | Zig:23   | Identified the +5 rapier of Pymurusa {drain, +Blink rElec
                  | rF- Will++}
149214 | Zig:23   | Identified the ring of Secei {rC+ rN+ rCorr Str-2 Dex+2}
149506 | Zig:24   | Entered Level 24 of a ziggurat
149531 | Zig:24   | Reached skill level 15 in Summonings
149864 | Zig:24   | Identified the amulet of Onadghio {Faith Str+3}
149865 | Zig:24   | Identified the +9 rapier of Luust {heavy, Str+6 Dex+3}
149866 | Zig:24   | Identified the ring "Johe" {Fly rElec rN+ rCorr Str-5
                  | Dex+3}
149918 | Zig:24   | Identified the staff of Quweocw {Stlth+ Conj Earth}
149921 | Zig:24   | Identified the staff of World's End {rF+ Str-5 Int-4 Dex+9
                  | SInv Fire}
150059 | Zig:25   | Entered Level 25 of a ziggurat
150075 | Zig:25   | Noticed a dread lich
150077 | Zig:25   | Noticed a dread lich
150079 | Zig:25   | Noticed an ancient lich
150079 | Zig:25   | Killed a dread lich
150079 | Zig:25   | Killed a dread lich
150080 | Zig:25   | Killed an ancient lich
150081 | Zig:25   | Noticed an ancient lich
150081 | Zig:25   | Noticed an ancient lich
150081 | Zig:25   | Noticed a dread lich
150082 | Zig:25   | Noticed an ancient lich
150082 | Zig:25   | Noticed a dread lich
150082 | Zig:25   | Noticed an ancient lich
150083 | Zig:25   | Killed a dread lich
150083 | Zig:25   | Killed an ancient lich
150083 | Zig:25   | Killed an ancient lich
150083 | Zig:25   | Killed an ancient lich
150083 | Zig:25   | Killed a dread lich
150084 | Zig:25   | Noticed a dread lich
150086 | Zig:25   | Killed an ancient lich
150087 | Zig:25   | Noticed a dread lich
150088 | Zig:25   | Killed a dread lich
150089 | Zig:25   | Noticed a dread lich
150089 | Zig:25   | Noticed an ancient lich
150089 | Zig:25   | Noticed an ancient lich
150091 | Zig:25   | Noticed a dread lich
150092 | Zig:25   | Noticed an ancient lich
150092 | Zig:25   | Killed an ancient lich
150092 | Zig:25   | Killed a dread lich
150092 | Zig:25   | Killed a dread lich
150092 | Zig:25   | Killed an ancient lich
150093 | Zig:25   | Killed a dread lich
150093 | Zig:25   | Noticed a dread lich
150094 | Zig:25   | Noticed a dread lich
150094 | Zig:25   | Noticed an ancient lich
150095 | Zig:25   | Noticed an ancient lich
150095 | Zig:25   | Killed a dread lich
150095 | Zig:25   | Killed an ancient lich
150097 | Zig:25   | Killed an ancient lich
150097 | Zig:25   | Killed an ancient lich
150098 | Zig:25   | Noticed a dread lich
150098 | Zig:25   | Noticed a dread lich
150099 | Zig:25   | Noticed an ancient lich
150101 | Zig:25   | Killed a dread lich
150102 | Zig:25   | Killed a dread lich
150102 | Zig:25   | Killed a dread lich
150102 | Zig:25   | Noticed a dread lich
150106 | Zig:25   | Killed an ancient lich
150106 | Zig:25   | Killed a dread lich
150109 | Zig:25   | Found the +3 Mad Mage's Maulers {Infuse+∞ VampMP -Cast}
150180 | Zig:25   | Identified the +10 dagger "Lupyps" {flame, rElec Int+3}
150181 | Zig:25   | Identified the staff of Virtue {rPois Str-4 Int+5 Alchemy}
150197 | Zig:25   | Identified the +6 shortbow of Friendship {flame, rC- rN+++
                  | Str-2 Dex+10}
150199 | Zig:25   | Identified the ring "Paaxaco" {rElec rF+ Dex+3 Slay+2}
150200 | Zig:25   | Identified the staff "Kifam" {rPois Necro Alchemy}
150203 | Zig:25   | Identified the +8 long sword "String" {holy, rF+ rN+}
150204 | Zig:25   | Identified the +7 morningstar of the Gloaming {venom, rF-
                  | Int+2 Stlth+}
150208 | Zig:25   | Identified the +10 morningstar "Mebuvar" {venom, rCorr
                  | Dex+3 SInv}
150441 | Zig:25   | Identified the staff of Duty {rPois Earth}
150551 | Zig:26   | Entered Level 26 of a ziggurat
150571 | Zig:26   | Noticed an ancient lich
150572 | Zig:26   | Noticed a dread lich
150573 | Zig:26   | Noticed a dread lich
150576 | Zig:26   | Noticed a dread lich
150576 | Zig:26   | Noticed an ancient lich
150577 | Zig:26   | Killed a dread lich
150577 | Zig:26   | Killed an ancient lich
150577 | Zig:26   | Killed a dread lich
150577 | Zig:26   | Noticed a dread lich
150577 | Zig:26   | Noticed an ancient lich
150578 | Zig:26   | Killed a dread lich
150578 | Zig:26   | Killed an ancient lich
150578 | Zig:26   | Noticed a dread lich
150579 | Zig:26   | Killed an ancient lich
150581 | Zig:26   | Upgraded the game from 0.31.0-4-g52a2dc7128 to
                  | 0.31.0-7-gf635a9b802
150581 | Zig:26   | Killed a dread lich
150582 | Zig:26   | Killed a dread lich
150583 | Zig:26   | Noticed a dread lich
150583 | Zig:26   | Noticed an ancient lich
150584 | Zig:26   | Noticed an ancient lich
150584 | Zig:26   | Noticed a dread lich
150584 | Zig:26   | Noticed a dread lich
150587 | Zig:26   | Reached skill level 27 in Summonings
150587 | Zig:26   | Reached skill level 1 in Hexes
150587 | Zig:26   | Killed a dread lich
150587 | Zig:26   | Killed an ancient lich
150587 | Zig:26   | Killed an ancient lich
150587 | Zig:26   | Killed a dread lich
150587 | Zig:26   | Noticed an ancient lich
150587 | Zig:26   | Noticed a dread lich
150587 | Zig:26   | Noticed an ancient lich
150588 | Zig:26   | Killed a dread lich
150588 | Zig:26   | Killed an ancient lich
150589 | Zig:26   | Noticed a dread lich
150589 | Zig:26   | Noticed an ancient lich
150590 | Zig:26   | Killed a dread lich
150590 | Zig:26   | Killed a dread lich
150590 | Zig:26   | Noticed an ancient lich
150591 | Zig:26   | Noticed a dread lich
150592 | Zig:26   | Noticed a dread lich
150593 | Zig:26   | Killed an ancient lich
150593 | Zig:26   | Killed an ancient lich
150593 | Zig:26   | Noticed an ancient lich
150594 | Zig:26   | Killed an ancient lich
150594 | Zig:26   | Killed a dread lich
150594 | Zig:26   | Killed a dread lich
150594 | Zig:26   | Killed an ancient lich
150595 | Zig:26   | Reached skill level 10 in Hexes
150595 | Zig:26   | Noticed a dread lich
150595 | Zig:26   | Noticed an ancient lich
150596 | Zig:26   | Killed a dread lich
150596 | Zig:26   | Noticed a dread lich
150598 | Zig:26   | Killed an ancient lich
150600 | Zig:26   | Killed a dread lich
150720 | Zig:26   | Found the -2 hat of the Alchemist {rElec rPois rF+ rC+ rN+
                  | Will+ rMut rCorr}
150872 | Zig:26   | Identified the +10 plate armour of Esear {-Tele rF+ rN++
                  | Stlth+}
150875 | Zig:26   | Identified the amulet of Amelioration {Acrobat rPois rF-
                  | Str+3}
150876 | Zig:26   | Identified the +0 hand axe of Moxkiqad {pain, ^Fragile
                  | rF+++ MP-9 Str+4}
150879 | Zig:26   | Identified the ring of Xearaut {rC+ Str+3 SInv}
150882 | Zig:26   | Identified the +4 cloak of Woewibav {rElec Int+5}
150892 | Zig:26   | Identified the +1 arbalest of Fedhas's Inspiration {drain,
                  | rElec rN+ Int+3}
150894 | Zig:26   | Identified the +5 short sword "Fadia" {protect, ^Drain
                  | +Blink rF++ Dex+9}
151061 | Zig:26   | Reached skill level 15 in Hexes
151096 | Zig:27   | Entered Level 27 of a ziggurat
151146 | Zig:27   | Found the ring of the Octopus King
151174 | Zig:27   | Found the ring of the Octopus King
151190 | Zig:27   | Identified the +7 chain mail of Woilurugh {rPois Will+
                  | Regen+ Int+5}
151557 | Zig:27   | Identified the +5 spear "Feastrun" {freeze, rF+ rN+ Str+3
                  | Dex-4}
151563 | Zig:27   | Identified the +7 war axe of Hecut {antimagic, *Slow rElec
                  | rN+ rCorr}
151566 | Zig:27   | Identified the +2 trident of Untimely Demise {venom,
                  | Stlth+}
151583 | Zig:27   | Identified a ring of the Octopus King {rC+ HP+2 AC+2 EV+2
                  | SH+2}
151617 | Zig:27   | Identified a ring of the Octopus King {rCorr HP+2 AC+2 EV+2
                  | SH+2}
152498 | Zig:1    | Entered Level 1 of a ziggurat
152533 | Zig:2    | Entered Level 2 of a ziggurat
152572 | Zig:3    | Entered Level 3 of a ziggurat
152572 | Zig:3    | Found the +7 great mace "Undeadhunter" {deathbane, rN+}
152573 | Zig:3    | Noticed Rerybeko the pandemonium lord
152575 | Zig:3    | Killed Rerybeko the pandemonium lord
152678 | Zig:4    | Entered Level 4 of a ziggurat
152718 | Zig:4    | Identified the +0 chain mail of Defiance {rN+++}
152744 | Zig:5    | Entered Level 5 of a ziggurat
152797 | Zig:5    | Identified the ring "Muthi" {rF- MP+9 Str+4 Dex+2 SInv}
152866 | Zig:6    | Entered Level 6 of a ziggurat
152867 | Zig:6    | Noticed Qofageddu the pandemonium lord
152867 | Zig:6    | Noticed Koidduri the pandemonium lord
152868 | Zig:6    | Noticed Jikhun the pandemonium lord
152868 | Zig:6    | Noticed Itukoiti the pandemonium lord
152869 | Zig:6    | Noticed Kyqeelie the pandemonium lord
152869 | Zig:6    | Noticed Qiodghede the pandemonium lord
152870 | Zig:6    | Noticed Tuteax the pandemonium lord
152871 | Zig:6    | Killed Qofageddu the pandemonium lord
152871 | Zig:6    | Killed Jikhun the pandemonium lord
152872 | Zig:6    | Killed Itukoiti the pandemonium lord
152873 | Zig:6    | Reached skill level 27 in Hexes
152874 | Zig:6    | Killed Qiodghede the pandemonium lord
152874 | Zig:6    | Killed Kyqeelie the pandemonium lord
152876 | Zig:6    | Killed Koidduri the pandemonium lord
152876 | Zig:6    | Killed Tuteax the pandemonium lord
152957 | Zig:6    | Identified the +0 chain mail of Sophism {rPois rC+ Will-}
152973 | Zig:7    | Entered Level 7 of a ziggurat
153018 | Zig:7    | Identified the +8 chain mail "Xuqamn" {Str+2}
153083 | Zig:8    | Entered Level 8 of a ziggurat
153091 | Zig:8    | Noticed an ancient lich
153099 | Zig:8    | Killed an ancient lich
153173 | Zig:8    | Identified the ring "Lovis" {rPois Str+3}
153205 | Zig:9    | Entered Level 9 of a ziggurat
153216 | Zig:9    | Noticed an ancient lich
153219 | Zig:9    | Killed an ancient lich
153309 | Zig:9    | Identified the staff of Lies {rN++ Conj}
153351 | Zig:10   | Entered Level 10 of a ziggurat
153356 | Zig:10   | Noticed an ancient lich
153356 | Zig:10   | Noticed an ancient lich
153358 | Zig:10   | Killed an ancient lich
153358 | Zig:10   | Killed an ancient lich
153359 | Zig:10   | Noticed an ancient lich
153360 | Zig:10   | Killed an ancient lich
153360 | Zig:10   | Noticed a dread lich
153363 | Zig:10   | Noticed a dread lich
153363 | Zig:10   | Found the +10 zealot's sword {holy, Zealotry, *Rage rN+
                  | EV+3}
153364 | Zig:10   | Killed a dread lich
153365 | Zig:10   | Noticed an ancient lich
153365 | Zig:10   | Noticed a dread lich
153366 | Zig:10   | Killed a dread lich
153367 | Zig:10   | Reached skill level 27 in Long Blades
153368 | Zig:10   | Killed a dread lich
153372 | Zig:10   | Killed an ancient lich
153487 | Zig:10   | Identified the ring of Vamocroi {Fire rN++ Str-4}
153495 | Zig:10   | Identified the +4 scimitar "Implojin's Death" {flame,
                  | ^Drain rPois Will- Int+3}
153534 | Zig:10   | Identified the +5 dagger of True Grit {spect, Str+5 Dex+4}
153560 | Zig:11   | Entered Level 11 of a ziggurat
153578 | Zig:11   | Reached skill level 15 in Maces & Flails
153581 | Zig:11   | Noticed Haivos the pandemonium lord
153593 | Zig:11   | Killed Haivos the pandemonium lord
153701 | Zig:11   | Identified the +1 great sword "Xuwk" {drain, rElec rF- rC+
                  | rCorr}
153711 | Zig:11   | Identified the +3 leather armour of Vemugutu {rCorr Str+4
                  | Stlth-}
153717 | Zig:11   | Identified the +9 sling of Inconvenience {drain, rElec rN+
                  | Dex+3 Stlth-}
153728 | Zig:11   | Identified the +1 leather armour of Action {Harm rN+
                  | Stlth+}
153791 | Zig:12   | Entered Level 12 of a ziggurat
153798 | Zig:12   | Noticed a dread lich
153798 | Zig:12   | Noticed a dread lich
153799 | Zig:12   | Noticed a dread lich
153800 | Zig:12   | Noticed an ancient lich
153800 | Zig:12   | Noticed an ancient lich
153801 | Zig:12   | Killed a dread lich
153801 | Zig:12   | Killed a dread lich
153802 | Zig:12   | Noticed an ancient lich
153802 | Zig:12   | Noticed a dread lich
153802 | Zig:12   | Noticed an ancient lich
153802 | Zig:12   | Noticed a dread lich
153803 | Zig:12   | Killed an ancient lich
153804 | Zig:12   | Noticed an ancient lich
153804 | Zig:12   | Noticed a dread lich
153805 | Zig:12   | Killed a dread lich
153805 | Zig:12   | Killed an ancient lich
153805 | Zig:12   | Killed a dread lich
153805 | Zig:12   | Killed an ancient lich
153805 | Zig:12   | Killed a dread lich
153805 | Zig:12   | Killed an ancient lich
153806 | Zig:12   | Noticed a dread lich
153806 | Zig:12   | Noticed an ancient lich
153807 | Zig:12   | Killed an ancient lich
153807 | Zig:12   | Killed a dread lich
153809 | Zig:12   | Killed a dread lich
153809 | Zig:12   | Killed an ancient lich
153926 | Zig:12   | Identified the granite talisman of Circular Logic {rF+
                  | Int+5 SInv}
153940 | Zig:12   | Identified the staff of Dominance {rElec rN+ MP+9 Air}
153947 | Zig:12   | Identified the +2 helmet of Purpose {rF+ Dex+2}
154012 | Zig:13   | Entered Level 13 of a ziggurat
154021 | Zig:13   | Reached skill level 27 in Maces & Flails
154021 | Zig:13   | Reached skill level 1 in Axes
154031 | Zig:13   | Reached skill level 10 in Axes
154037 | Zig:13   | Found the +10 tower shield of Ignorance {rN+ Int-4}
154074 | Zig:13   | Identified the +5 long sword of Duty {protect, Fly rF- rC++
                  | SInv}
154082 | Zig:13   | Identified the +8 trident "Killer Klown's Death"
                  | {antimagic, rPois Str-2 Int+2}
154084 | Zig:13   | Identified the +1 sling "Xyny" {drain, rC- rN+ Dex+4}
154301 | Zig:14   | Entered Level 14 of a ziggurat
154315 | Zig:14   | Paralysed by an air elemental for 1 turns
154396 | Zig:14   | Identified the ring "Caysuh" {rF+ rC+ Int+2 Stlth+}
154409 | Zig:14   | Identified the scarf "Xefir" {+Inv, rN+ Str+5 Int-4}
154491 | Zig:14   | Identified the amulet of Ritisuus {Acrobat Will- Dex+7}
154537 | Zig:14   | Identified the staff of Conscience {rC+ Conj}
154555 | Zig:14   | Identified the +3 leather armour of the Marlin {+Inv}
154558 | Zig:14   | Identified the ring of Seduthreq {MP+9 Str+4}
154593 | Zig:15   | Entered Level 15 of a ziggurat
154613 | Zig:15   | Noticed Gixtug the pandemonium lord
154616 | Zig:15   | Killed Gixtug the pandemonium lord
154617 | Zig:15   | Found the +10 morningstar "Eos" {elec, Halo rElec}
154619 | Zig:15   | Found the +6 shillelagh "Devastator" {shatter}
154666 | Zig:15   | Identified the +8 falchion of the Hero {pain, Stlth+}
154678 | Zig:15   | Identified the +0 scale mail "Joleoxur" {*Corrode Will++}
154895 | Zig:16   | Entered Level 16 of a ziggurat
154924 | Zig:16   | Noticed a dread lich
154929 | Zig:16   | Killed a dread lich
155166 | Zig:16   | Identified the staff of Xom, Imbibing {Fly rElec rF++ rCorr
                  | Air}
155169 | Zig:16   | Identified the +7 plate armour of the Kraken {Fly Stlth+}
155172 | Zig:16   | Identified the ring "Roocyxt" {Wiz Will++ Str+3 Slay-5}
155203 | Zig:16   | Identified the +2 robe of Divine Compulsion {^Drain rN+
                  | Str+4 Dex+4}
155280 | Zig:17   | Entered Level 17 of a ziggurat
155303 | Zig:17   | Reached skill level 27 in Axes
155309 | Zig:17   | Reached skill level 10 in Polearms
155309 | Zig:17   | Found the +7 Kryia's mail coat {PotionHeal*2 rC+}
155353 | Zig:17   | Identified the +2 helmet "Hidu" {Int+3}
155359 | Zig:17   | Identified the +7 dire flail of Equilibrium {chaos, Str+2
                  | Int+6}
155361 | Zig:17   | Identified the +1 pair of boots of the Buccaneer {rPois
                  | Regen+}
155366 | Zig:17   | Identified the amulet of Wauq {RegenMP Will+}
155368 | Zig:17   | Identified the amulet "Bairpha" {rF+ Regen+ Int+3}
155376 | Zig:17   | Identified the staff of the Destroying Gods {+Blink rElec
                  | rF+ Will- rCorr Fire}
155673 | Zig:18   | Entered Level 18 of a ziggurat
155683 | Zig:18   | Reached skill level 15 in Polearms
156041 | Zig:18   | Identified the +0 flail "Dame" {flame, rCorr Dex+2}
156058 | Zig:18   | Identified the ring of Doehon Rege {rF+ EV+5}
156087 | Zig:18   | Identified the +7 battleaxe of Qyfa Tia {freeze, rN+ Str+2
                  | Int+8}
156112 | Zig:19   | Entered Level 19 of a ziggurat
156160 | Zig:19   | Noticed Ebbier the pandemonium lord
156162 | Zig:19   | Killed Ebbier the pandemonium lord
156459 | Zig:19   | Identified the +0 shortbow of Feohiucvax {heavy, rPois rC+
                  | Str+2}
156460 | Zig:19   | Identified the +2 shortbow of Reapportionment {flame,
                  | rPois}
156469 | Zig:19   | Identified the +7 short sword "Rauxzon" {freeze, Will+}
156492 | Zig:20   | Entered Level 20 of a ziggurat
156499 | Zig:20   | Paralysed by an air elemental for 1 turns
156533 | Zig:20   | Reached skill level 27 in Polearms
156798 | Zig:20   | Identified the staff of Paper {rN+ Will- rCorr Int+5 Summ
                  | Necro}
156799 | Zig:20   | Identified the ring of Ysidwaet {rC+ Int+3}
156812 | Zig:20   | Identified the +0 gold dragon scales of Too Many Cooks
                  | {rPois rF+ rC+ rN+++ MP+9 Int-4 Stlth-}
156845 | Zig:20   | Identified the +2 steam dragon scales "Gaisuixt" {*Slow
                  | Regen+ Slay+3}
156846 | Zig:20   | Identified the +0 plate armour of Grim Miracles {Will++
                  | Str-4 Int+4 SInv}
156857 | Zig:20   | Identified the +8 short sword of a sewer {drain, rElec
                  | Will+}
156866 | Zig:20   | Identified the ring "Huiqa" {Wiz rF++}
156888 | Zig:20   | Identified the +1 chain mail "Keluan" {Rampage rF- Int+6}
156891 | Zig:20   | Identified the +7 short sword of Vypifex {flame, *Rage
                  | rPois Str-3 Int+8}
156948 | Zig:21   | Entered Level 21 of a ziggurat
156983 | Zig:21   | Found the +15 Maxwell's patent armour {-Cast -Tele rElec
                  | Will+ rCorr}
157028 | Zig:21   | Identified the +9 short sword "Koraag" {pain, rElec rC+
                  | rCorr Int+2}
157033 | Zig:21   | Identified the ring "Olak Nox" {^Drain Will+ AC+4 Int+3
                  | SInv}
157085 | Zig:21   | Identified the +7 sling of the Dowdy God {heavy, *Slow
                  | +Blink Str+2 Int+2}
157101 | Zig:21   | Identified the staff of Day {+Blink rElec rN+ Necro Fire}
157356 | Zig:22   | Entered Level 22 of a ziggurat
157431 | Zig:22   | Noticed Feimiocw the pandemonium lord
157433 | Zig:22   | Killed Feimiocw the pandemonium lord
157820 | Zig:22   | Found the +4 skin of Zhor {*Englaciate rC+++ SInv}
157825 | Zig:22   | Found the +7 captain's cutlass {speed, disarm}
157827 | Zig:22   | Identified the ring of Lutaovud {rC+ Dex+3}
157833 | Zig:22   | Identified the staff "Icuck" {rElec rPois Int+5 Hexes
                  | Alchemy}
157834 | Zig:22   | Identified the +6 acid dragon scales "Tutoari" {rCorr
                  | Int+4}
157841 | Zig:22   | Identified the ring "Suorisae" {Wiz Int+5}
157857 | Zig:22   | Identified the +6 great mace of the Morning {speed, Dex+2}
157869 | Zig:22   | Identified the +5 sling "Zodd" {flame, Int+2}
157873 | Zig:22   | Identified the ring "Keassis" {*Slow rElec rPois Int+6}
157977 | Zig:23   | Entered Level 23 of a ziggurat
157992 | Zig:23   | Noticed an ancient lich
157994 | Zig:23   | Noticed an ancient lich
157994 | Zig:23   | Killed an ancient lich
157994 | Zig:23   | Killed an ancient lich
157995 | Zig:23   | Noticed an ancient lich
157997 | Zig:23   | Noticed an ancient lich
157997 | Zig:23   | Killed an ancient lich
157998 | Zig:23   | Noticed an ancient lich
157998 | Zig:23   | Noticed an ancient lich
157998 | Zig:23   | Killed an ancient lich
157999 | Zig:23   | Killed an ancient lich
158000 | Zig:23   | Noticed an ancient lich
158000 | Zig:23   | Noticed an ancient lich
158001 | Zig:23   | Killed an ancient lich
158001 | Zig:23   | Killed an ancient lich
158002 | Zig:23   | Noticed an ancient lich
158003 | Zig:23   | Noticed an ancient lich
158003 | Zig:23   | Killed an ancient lich
158003 | Zig:23   | Killed an ancient lich
158003 | Zig:23   | Killed an ancient lich
158005 | Zig:23   | Noticed an ancient lich
158005 | Zig:23   | Noticed an ancient lich
158006 | Zig:23   | Noticed an ancient lich
158006 | Zig:23   | Noticed an ancient lich
158006 | Zig:23   | Noticed an ancient lich
158007 | Zig:23   | Killed an ancient lich
158007 | Zig:23   | Killed an ancient lich
158009 | Zig:23   | Noticed an ancient lich
158009 | Zig:23   | Killed an ancient lich
158009 | Zig:23   | Killed an ancient lich
158009 | Zig:23   | Killed an ancient lich
158011 | Zig:23   | Killed an ancient lich
158018 | Zig:23   | Found the ring of the Octopus King
158061 | Zig:23   | Identified the +10 battleaxe of Peept {flame, Str+2 Int+2
                  | Dex+3}
158062 | Zig:23   | Identified the +6 quarterstaff of the Middle {heavy, MP+9}
158063 | Zig:23   | Identified the +9 short sword of the Dead {elec, rPois rF+
                  | rC-}
158092 | Zig:23   | Identified the amulet "Romoj" {Faith Str+3}
158094 | Zig:23   | Identified a ring of the Octopus King {Fly HP+2 AC+2 EV+2
                  | SH+2}
158104 | Zig:23   | Identified the +10 hand axe "Nopteph" {heavy, rC+}
158105 | Zig:23   | Identified the ring "Qefer" {rElec rC+ rCorr Slay-2}
158128 | Zig:23   | Identified the +7 flail of the Yoke {flame, rF- rC- rN+
                  | Int+9}
158129 | Zig:23   | Identified the ring "Hity" {rCorr Str+4 Slay-2}
158447 | Zig:24   | Entered Level 24 of a ziggurat
158461 | Zig:24   | Noticed a dread lich
158462 | Zig:24   | Noticed an ancient lich
158463 | Zig:24   | Noticed a dread lich
158464 | Zig:24   | Killed a dread lich
158464 | Zig:24   | Killed a dread lich
158464 | Zig:24   | Killed an ancient lich
158465 | Zig:24   | Noticed a dread lich
158465 | Zig:24   | Noticed an ancient lich
158465 | Zig:24   | Noticed a dread lich
158466 | Zig:24   | Noticed a dread lich
158466 | Zig:24   | Noticed an ancient lich
158466 | Zig:24   | Noticed a dread lich
158467 | Zig:24   | Killed a dread lich
158467 | Zig:24   | Killed an ancient lich
158467 | Zig:24   | Killed a dread lich
158467 | Zig:24   | Killed a dread lich
158468 | Zig:24   | Noticed an ancient lich
158468 | Zig:24   | Noticed an ancient lich
158468 | Zig:24   | Noticed an ancient lich
158468 | Zig:24   | Noticed an ancient lich
158468 | Zig:24   | Noticed an ancient lich
158469 | Zig:24   | Killed a dread lich
158469 | Zig:24   | Killed an ancient lich
158469 | Zig:24   | Killed an ancient lich
158470 | Zig:24   | Noticed an ancient lich
158471 | Zig:24   | Killed an ancient lich
158471 | Zig:24   | Killed an ancient lich
158471 | Zig:24   | Killed an ancient lich
158471 | Zig:24   | Killed an ancient lich
158471 | Zig:24   | Noticed a dread lich
158472 | Zig:24   | Noticed a dread lich
158472 | Zig:24   | Noticed an ancient lich
158473 | Zig:24   | Killed an ancient lich
158474 | Zig:24   | Killed a dread lich
158474 | Zig:24   | Killed an ancient lich
158474 | Zig:24   | Killed a dread lich
158474 | Zig:24   | Noticed an ancient lich
158475 | Zig:24   | Noticed a dread lich
158475 | Zig:24   | Noticed an ancient lich
158476 | Zig:24   | Noticed an ancient lich
158477 | Zig:24   | Killed an ancient lich
158477 | Zig:24   | Killed a dread lich
158477 | Zig:24   | Killed an ancient lich
158477 | Zig:24   | Killed an ancient lich
158477 | Zig:24   | Noticed an ancient lich
158478 | Zig:24   | Noticed an ancient lich
158478 | Zig:24   | Noticed an ancient lich
158479 | Zig:24   | Noticed an ancient lich
158479 | Zig:24   | Noticed an ancient lich
158480 | Zig:24   | Killed an ancient lich
158480 | Zig:24   | Killed an ancient lich
158480 | Zig:24   | Noticed an ancient lich
158480 | Zig:24   | Noticed an ancient lich
158481 | Zig:24   | Killed an ancient lich
158481 | Zig:24   | Killed an ancient lich
158481 | Zig:24   | Killed an ancient lich
158481 | Zig:24   | Noticed an ancient lich
158483 | Zig:24   | Killed an ancient lich
158484 | Zig:24   | Noticed a dread lich
158485 | Zig:24   | Killed an ancient lich
158485 | Zig:24   | Killed an ancient lich
158485 | Zig:24   | Noticed a dread lich
158487 | Zig:24   | Noticed a dread lich
158488 | Zig:24   | Noticed a dread lich
158488 | Zig:24   | Noticed an ancient lich
158488 | Zig:24   | Noticed a dread lich
158489 | Zig:24   | Killed a dread lich
158489 | Zig:24   | Killed a dread lich
158490 | Zig:24   | Killed a dread lich
158490 | Zig:24   | Killed a dread lich
158490 | Zig:24   | Killed a dread lich
158490 | Zig:24   | Killed an ancient lich
158490 | Zig:24   | Noticed a dread lich
158492 | Zig:24   | Noticed a dread lich
158493 | Zig:24   | Killed a dread lich
158493 | Zig:24   | Killed a dread lich
158688 | Zig:24   | Identified the +2 scale mail of Summer {Int+5}
158692 | Zig:24   | Identified the +0 morningstar of Somm {spect, MP+9}
158713 | Zig:24   | Identified the amulet "Zairietu" {Faith Harm +Inv}
158723 | Zig:24   | Identified the +0 hand axe of Ohepp {pain, ^Contam Fly
                  | rPois MP+9}
158724 | Zig:24   | Identified the staff "Mygag" {rN+ Int+5 Earth}
158729 | Zig:24   | Identified the +4 hand axe of Chagrin {venom, SInv}
158731 | Zig:24   | Identified the +0 scale mail of the Vacuum {rF+ Str+2}
158732 | Zig:24   | Identified the +9 morningstar of Nour {drain, rPois Str+7
                  | Dex-4}
158733 | Zig:24   | Identified the +0 ring mail of Awe {rF- Str+4 Int+4}
158740 | Zig:24   | Identified the +0 chain mail of Uskayaw's Delight {rPois
                  | rF+ Will- Int+2}
158754 | Zig:24   | Identified the amulet "Xuzih" {Faith rN+ Str+4}
158756 | Zig:24   | Identified the ring "Vuxipp" {rElec rPois Str-2 Int+3
                  | Slay+4}
158764 | Zig:24   | Identified the ring "Depsinuwa" {Wiz rC++ Str+2 Dex+3
                  | Slay+3}
158842 | Zig:25   | Entered Level 25 of a ziggurat
159032 | Zig:25   | Identified the +0 sling of the Oily God {speed, Fly rC- rN+
                  | rCorr}
159039 | Zig:25   | Identified the amulet "Elasas" {Acrobat ^Drain rN+ Str+2
                  | Dex+3}
159042 | Zig:25   | Identified the +2 falchion of Coceohut {elec, rC+}
159043 | Zig:25   | Identified the +5 falchion "Othrooda" {speed, Will++}
159044 | Zig:25   | Identified the +1 robe of Moral Flaws {Int+2}
159050 | Zig:25   | Identified the +7 mace of Circularity {antimagic, rN+
                  | Will+}
159056 | Zig:25   | Identified the ring "Ewnesk" {rN+ Str+6 Int+2}
159322 | Zig:25   | Identified the ring of Nicsyr {rF- Str+5 Dex+6}
159397 | Zig:26   | Entered Level 26 of a ziggurat
159417 | Zig:26   | Noticed an ancient lich
159418 | Zig:26   | Noticed a dread lich
159419 | Zig:26   | Noticed a dread lich
159421 | Zig:26   | Killed a dread lich
159422 | Zig:26   | Killed an ancient lich
159423 | Zig:26   | Noticed an ancient lich
159423 | Zig:26   | Noticed a dread lich
159424 | Zig:26   | Killed an ancient lich
159425 | Zig:26   | Noticed a dread lich
159426 | Zig:26   | Noticed an ancient lich
159427 | Zig:26   | Noticed an ancient lich
159428 | Zig:26   | Killed a dread lich
159428 | Zig:26   | Killed a dread lich
159429 | Zig:26   | Noticed a dread lich
159429 | Zig:26   | Noticed a dread lich
159429 | Zig:26   | Noticed an ancient lich
159429 | Zig:26   | Noticed an ancient lich
159430 | Zig:26   | Killed a dread lich
159430 | Zig:26   | Killed an ancient lich
159430 | Zig:26   | Killed an ancient lich
159430 | Zig:26   | Killed an ancient lich
159431 | Zig:26   | Noticed a dread lich
159431 | Zig:26   | Noticed an ancient lich
159431 | Zig:26   | Noticed an ancient lich
159431 | Zig:26   | Noticed an ancient lich
159431 | Zig:26   | Noticed an ancient lich
159432 | Zig:26   | Killed a dread lich
159432 | Zig:26   | Killed a dread lich
159433 | Zig:26   | Noticed an ancient lich
159434 | Zig:26   | Killed an ancient lich
159434 | Zig:26   | Killed an ancient lich
159434 | Zig:26   | Killed a dread lich
159434 | Zig:26   | Killed an ancient lich
159434 | Zig:26   | Killed an ancient lich
159435 | Zig:26   | Noticed an ancient lich
159435 | Zig:26   | Killed an ancient lich
159435 | Zig:26   | Noticed a dread lich
159436 | Zig:26   | Killed an ancient lich
159436 | Zig:26   | Noticed a dread lich
159437 | Zig:26   | Noticed an ancient lich
159437 | Zig:26   | Noticed a dread lich
159438 | Zig:26   | Killed an ancient lich
159439 | Zig:26   | Noticed an ancient lich
159439 | Zig:26   | Killed a dread lich
159440 | Zig:26   | Killed a dread lich
159440 | Zig:26   | Killed an ancient lich
159441 | Zig:26   | Killed a dread lich
159442 | Zig:26   | Killed an ancient lich
159663 | Zig:26   | Identified the +3 sling "Colurusk" {drain, Dex+3 Stlth+}
159714 | Zig:26   | Identified the +9 plate armour of Refuge {+Blink rC+ MP+9}
159718 | Zig:26   | Identified the +5 rapier "Omoyxzasm" {heavy, Fly}
159720 | Zig:26   | Identified the -1 cloak of Ruohia {Rampage MP+9 Slay+3}
159721 | Zig:26   | Identified the +5 great mace of the Spider Nest {elec, Fly
                  | rElec Will++ Int-3}
159729 | Zig:26   | Identified the +2 robe of the Centipede {rN+ rCorr}
159739 | Zig:26   | Identified the +7 orcbow of Upheaval {freeze, rElec Str+8
                  | Dex-5}
159752 | Zig:26   | Identified the +5 spear of Pamog {flame, rN+ Will++ Str+2}
159766 | Zig:26   | Identified the +4 falchion of Loantio {flame, rF++}
159771 | Zig:26   | Identified the +2 battleaxe of Terror {vamp, SInv}
159900 | Zig:27   | Entered Level 27 of a ziggurat
159926 | Zig:27   | Paralysed by accursed screaming for 1 turns
159927 | Zig:27   | Noticed an ancient lich
159930 | Zig:27   | Killed an ancient lich
159953 | Zig:27   | Found the +2 hat of the Bear Spirit {Spirit, Bear, *Rage
                  | Will++}
159959 | Zig:27   | Found the ring of the Octopus King
160048 | Zig:27   | Identified the +7 hand axe "Zis Caataxt" {flame, +Blink rN+
                  | Dex-4}
160054 | Zig:27   | Identified the +2 dagger of the Loving Seer {flame, rF+
                  | Dex+4}
160060 | Zig:27   | Identified the +0 chain mail of the Mauling Gods {*Slow
                  | Dex+6 Slay+3}
160067 | Zig:27   | Identified the +7 sling "Bocem" {flame, Int+4}
160087 | Zig:27   | Identified the +0 robe of Shrieking Salvation {Int+3}
160103 | Zig:27   | Identified a ring of the Octopus King {rN+ HP+2 AC+2 EV+2
                  | SH+2}
160124 | Zig:27   | Identified the +3 hand cannon of the Crafting Vulture
                  | {drain, Will+}
160604 | Zig:27   | Identified the +2 leather armour of the Armoured One {rPois
                  | rCorr Str-4 Int-4}
160941 | Depths:3 | :zig time check: 11:17 enter
160942 | Zig:1    | Entered Level 1 of a ziggurat
160979 | Zig:2    | Entered Level 2 of a ziggurat
160981 | Zig:2    | Noticed a dread lich
160982 | Zig:2    | Killed a dread lich
160983 | Zig:2    | Noticed an ancient lich
160985 | Zig:2    | Killed an ancient lich
161044 | Zig:3    | Entered Level 3 of a ziggurat
161045 | Zig:3    | Noticed a juggernaut
161045 | Zig:3    | Noticed a juggernaut
161046 | Zig:3    | Killed a juggernaut
161048 | Zig:3    | Killed a juggernaut
161091 | Zig:3    | Identified the +1 ring mail "Wocrid" {Rampage Will+ Stlth+}
161118 | Zig:4    | Entered Level 4 of a ziggurat
161205 | Zig:4    | Identified the +0 robe of a wizard's laboratory {rC- Dex+6
                  | SInv}
161218 | Zig:5    | Entered Level 5 of a ziggurat
161218 | Zig:5    | Noticed Cennilex the pandemonium lord
161218 | Zig:5    | Noticed Luvaw the pandemonium lord
161218 | Zig:5    | Noticed Jekk the pandemonium lord
161220 | Zig:5    | Killed Luvaw the pandemonium lord
161220 | Zig:5    | Killed Cennilex the pandemonium lord
161220 | Zig:5    | Noticed Ceteqam the pandemonium lord
161221 | Zig:5    | Killed Jekk the pandemonium lord
161223 | Zig:5    | Noticed Qocw the pandemonium lord
161224 | Zig:5    | Killed Ceteqam the pandemonium lord
161225 | Zig:5    | Noticed Wykkyth the pandemonium lord
161226 | Zig:5    | Killed Qocw the pandemonium lord
161227 | Zig:5    | Killed Wykkyth the pandemonium lord
161227 | Zig:5    | Noticed Eceeqyig the pandemonium lord
161229 | Zig:5    | Noticed Upegem the pandemonium lord
161231 | Zig:5    | Killed Upegem the pandemonium lord
161233 | Zig:5    | Killed Eceeqyig the pandemonium lord
161314 | Zig:5    | Identified the +3 trident "Heemmyimp" {protect, +Blink rN+
                  | MP-9 SInv}
161325 | Zig:6    | Entered Level 6 of a ziggurat
161328 | Zig:6    | Noticed an ancient lich
161328 | Zig:6    | Noticed an ancient lich
161328 | Zig:6    | Noticed a dread lich
161329 | Zig:6    | Killed an ancient lich
161330 | Zig:6    | Killed a dread lich
161330 | Zig:6    | Noticed an ancient lich
161330 | Zig:6    | Noticed an ancient lich
161331 | Zig:6    | Killed an ancient lich
161331 | Zig:6    | Killed an ancient lich
161331 | Zig:6    | Killed an ancient lich
161331 | Zig:6    | Noticed a dread lich
161333 | Zig:6    | Killed a dread lich
161336 | Zig:6    | Noticed a dread lich
161336 | Zig:6    | Noticed a dread lich
161337 | Zig:6    | Killed a dread lich
161338 | Zig:6    | Killed a dread lich
161444 | Zig:7    | Entered Level 7 of a ziggurat
161535 | Zig:7    | Identified the staff of the Spectre {rPois rN+ rCorr Stlth-
                  | Necro Alchemy}
161561 | Zig:7    | Identified the +12 long sword "Huzachoth" {speed, rElec
                  | rPois rC-}
161587 | Zig:8    | Entered Level 8 of a ziggurat
161587 | Zig:8    | Noticed Atteex the pandemonium lord
161587 | Zig:8    | Noticed Plog the pandemonium lord
161590 | Zig:8    | Killed Atteex the pandemonium lord
161592 | Zig:8    | Noticed Jaotivef the pandemonium lord
161592 | Zig:8    | Noticed Voos the pandemonium lord
161593 | Zig:8    | Noticed Olaogomo the pandemonium lord
161594 | Zig:8    | Killed Plog the pandemonium lord
161594 | Zig:8    | Noticed Luruviy the pandemonium lord
161595 | Zig:8    | Noticed Sime the pandemonium lord
161595 | Zig:8    | Noticed Seoderug the pandemonium lord
161595 | Zig:8    | Noticed Ziciuca the pandemonium lord
161597 | Zig:8    | Killed Voos the pandemonium lord
161598 | Zig:8    | Noticed Aczamykkyck the pandemonium lord
161599 | Zig:8    | Killed Sime the pandemonium lord
161601 | Zig:8    | Killed Jaotivef the pandemonium lord
161602 | Zig:8    | Killed Luruviy the pandemonium lord
161602 | Zig:8    | Killed Olaogomo the pandemonium lord
161602 | Zig:8    | Killed Seoderug the pandemonium lord
161602 | Zig:8    | Killed Aczamykkyck the pandemonium lord
161602 | Zig:8    | Killed Ziciuca the pandemonium lord
161603 | Zig:8    | Noticed Olimoux the pandemonium lord
161607 | Zig:8    | Killed Olimoux the pandemonium lord
161614 | Zig:8    | Found the +5 Lochaber axe {reach-cleave, Poleaxe ^Drain}
161714 | Zig:8    | Identified the +2 quarterstaff "Atwoehih" {freeze, rCorr
                  | MP+9 Stlth+}
161766 | Zig:9    | Entered Level 9 of a ziggurat
161766 | Zig:9    | Noticed a royal mummy
161766 | Zig:9    | Noticed a royal mummy
161766 | Zig:9    | Noticed a royal mummy
161766 | Zig:9    | Noticed a royal mummy
161766 | Zig:9    | Noticed a royal mummy
161766 | Zig:9    | Noticed a royal mummy
161766 | Zig:9    | Noticed a royal mummy
161766 | Zig:9    | Noticed a royal mummy
161767 | Zig:9    | Killed a royal mummy
161767 | Zig:9    | Killed a royal mummy
161767 | Zig:9    | Killed a royal mummy
161767 | Zig:9    | Killed a royal mummy
161767 | Zig:9    | Killed a royal mummy
161767 | Zig:9    | Killed a royal mummy
161769 | Zig:9    | Noticed a royal mummy
161769 | Zig:9    | Noticed a royal mummy
161769 | Zig:9    | Noticed a royal mummy
161769 | Zig:9    | Noticed a royal mummy
161771 | Zig:9    | Killed a royal mummy
161771 | Zig:9    | Killed a royal mummy
161773 | Zig:9    | Killed a royal mummy
161773 | Zig:9    | Killed a royal mummy
161775 | Zig:9    | Killed a royal mummy
161775 | Zig:9    | Killed a royal mummy
161775 | Zig:9    | Noticed a royal mummy
161777 | Zig:9    | Noticed a royal mummy
161777 | Zig:9    | Noticed a royal mummy
161780 | Zig:9    | Killed a royal mummy
161782 | Zig:9    | Killed a royal mummy
161782 | Zig:9    | Killed a royal mummy
161834 | Zig:9    | Identified the amulet of the Messenger {RegenMP Str+3}
161837 | Zig:9    | Identified the +7 spear of Dissatisfaction {flame, rPois
                  | rCorr}
162018 | Zig:10   | Entered Level 10 of a ziggurat
162018 | Zig:10   | Noticed a juggernaut
162018 | Zig:10   | Noticed a juggernaut
162019 | Zig:10   | Killed a juggernaut
162021 | Zig:10   | Killed a juggernaut
162031 | Zig:10   | Noticed a juggernaut
162034 | Zig:10   | Killed a juggernaut
162039 | Zig:10   | Identified the +9 hand axe "Zoelep" {freeze, rF+++ rC+++
                  | Int-2 Stlth-}
162054 | Zig:10   | Identified the ring of Amelioration {Ice ^Drain rPois Int+2
                  | SInv}
162069 | Zig:10   | Identified the +0 pair of boots of Dice, Bag, and Bottle
                  | {Rampage Str+5 Int-3}
162258 | Zig:10   | Identified the +1 robe "Zosaxti" {-Cast -Tele Dex+9 Slay+3}
162273 | Zig:10   | Identified the +1 hand axe "Henudi" {pain, Will++}
162281 | Zig:11   | Entered Level 11 of a ziggurat
162384 | Zig:11   | Identified the +0 pair of gloves of the Blue Skies {rN++
                  | Int-3 Dex+3}
162397 | Zig:11   | Identified the +4 mace of Banuerr {freeze, rF+ rN+ Int-4}
162549 | Zig:12   | Entered Level 12 of a ziggurat
162756 | Zig:12   | Identified the +1 eveningstar of the Valley {speed, *Rage
                  | Fly rN+ Str+2}
162811 | Zig:13   | Entered Level 13 of a ziggurat
162813 | Zig:13   | Noticed a dread lich
162813 | Zig:13   | Noticed a dread lich
162813 | Zig:13   | Noticed a dread lich
162813 | Zig:13   | Noticed a dread lich
162814 | Zig:13   | Noticed an ancient lich
162815 | Zig:13   | Killed a dread lich
162816 | Zig:13   | Killed a dread lich
162816 | Zig:13   | Killed a dread lich
162816 | Zig:13   | Killed a dread lich
162816 | Zig:13   | Killed an ancient lich
162816 | Zig:13   | Noticed a dread lich
162816 | Zig:13   | Noticed an ancient lich
162818 | Zig:13   | Killed a dread lich
162818 | Zig:13   | Noticed a dread lich
162818 | Zig:13   | Noticed an ancient lich
162818 | Zig:13   | Noticed an ancient lich
162819 | Zig:13   | Noticed an ancient lich
162819 | Zig:13   | Noticed a dread lich
162820 | Zig:13   | Noticed a dread lich
162821 | Zig:13   | Killed an ancient lich
162822 | Zig:13   | Killed an ancient lich
162822 | Zig:13   | Killed an ancient lich
162822 | Zig:13   | Killed a dread lich
162822 | Zig:13   | Killed a dread lich
162823 | Zig:13   | Killed an ancient lich
162823 | Zig:13   | Killed a dread lich
162825 | Zig:13   | Noticed an ancient lich
162826 | Zig:13   | Noticed an ancient lich
162827 | Zig:13   | Killed an ancient lich
162827 | Zig:13   | Noticed a dread lich
162828 | Zig:13   | Killed an ancient lich
162828 | Zig:13   | Killed a dread lich
162890 | Zig:13   | Identified the ring of Kickah {rF++ rC+++ rN+ Int-2}
162893 | Zig:13   | Identified the amulet "Tukegeek" {Spirit Rampage rElec
                  | rF+++ Int-5}
162896 | Zig:13   | Identified the +5 chain mail of Guanasath {rF+ Regen+
                  | Dex+2}
162900 | Zig:13   | Identified the +0 dagger of Qabuorch {distort, *Corrode
                  | rElec rF+ Will+}
162905 | Zig:13   | Identified the ring of Muople {rElec rF+ rN+ Str+6}
163046 | Zig:14   | Entered Level 14 of a ziggurat
163046 | Zig:14   | Noticed a royal mummy
163046 | Zig:14   | Noticed a dread lich
163051 | Zig:14   | Killed a dread lich
163052 | Zig:14   | Killed a royal mummy
163319 | Zig:14   | Identified the +1 rapier "Icsam" {flame, rElec Str+3
                  | Stlth+}
163332 | Zig:14   | Identified the +2 broad axe of Tan Fuitt {freeze, rElec
                  | MP+9}
163351 | Zig:14   | Identified the +1 robe "Anledoj" {*Corrode rC+ Dex+3
                  | Archmagi}
163403 | Zig:15   | Entered Level 15 of a ziggurat
163517 | Zig:15   | Identified the +2 short sword of the Valley of Death
                  | {flame, Str+4}
163521 | Zig:15   | Identified the +0 robe of Estrereu {rPois rC+ Stlth-}
163529 | Zig:15   | Identified the +5 morningstar of Past Mistakes {antimagic,
                  | Str+2 Int+2}
163534 | Zig:15   | Identified the staff of Corruption {rPois Dex+2 Earth
                  | Alchemy}
163542 | Zig:15   | Identified the amulet "Futhraril" {Acrobat rF- Will+ Str+2}
163546 | Zig:15   | Identified the +4 orcbow of the Glowing Gods {drain,
                  | ^Fragile Will+ Dex+5}
163549 | Zig:15   | Identified the +2 short sword "Doapliac" {pain, rPois Str+5
                  | Dex+3}
163672 | Zig:16   | Entered Level 16 of a ziggurat
163687 | Zig:16   | Found the Hermit's Pendant {Faith Invo=14 Evo=0 MP+5}
164005 | Zig:16   | Identified the +1 scale mail of Levity {Str+4}
164016 | Zig:16   | Identified the ring "Mezxun" {Fly rC- rCorr MP+9}
164032 | Zig:16   | Identified the +1 plate armour of Kikubaaqudgha's Esteem
                  | {Regen+ rCorr Int-3}
164044 | Zig:16   | Identified the +2 great mace of Execution {venom, rPois
                  | Dex+4}
164065 | Zig:17   | Entered Level 17 of a ziggurat
164082 | Zig:17   | Found the ring of the Octopus King
164083 | Zig:17   | Found the +1 robe of Vines {NoPotionHeal Regen++++}
164139 | Zig:17   | Identified the +4 triple sword of Reninyt {freeze, rPois
                  | Str+6 Dex-5 Stlth+}
164141 | Zig:17   | Identified the ring "Codwuw Onna" {rF++ Str-3 Int+6 Dex+7}
164147 | Zig:17   | Identified a ring of the Octopus King {HP+2 AC+2 EV+2 SH+2
                  | SInv}
164162 | Zig:17   | Identified the +3 scale mail of Xuedias {Dex+5 Stlth+}
164170 | Zig:17   | Identified the +6 broad axe "Ypotargh" {heavy, Str+5}
164392 | Zig:18   | Entered Level 18 of a ziggurat
164397 | Zig:18   | Noticed a dread lich
164397 | Zig:18   | Noticed an ancient lich
164399 | Zig:18   | Noticed an ancient lich
164399 | Zig:18   | Noticed an ancient lich
164400 | Zig:18   | Noticed an ancient lich
164401 | Zig:18   | Killed an ancient lich
164402 | Zig:18   | Noticed a dread lich
164403 | Zig:18   | Killed a dread lich
164403 | Zig:18   | Killed an ancient lich
164403 | Zig:18   | Noticed an ancient lich
164404 | Zig:18   | Noticed an ancient lich
164404 | Zig:18   | Killed an ancient lich
164404 | Zig:18   | Killed a dread lich
164404 | Zig:18   | Killed an ancient lich
164404 | Zig:18   | Killed an ancient lich
164405 | Zig:18   | Noticed an ancient lich
164405 | Zig:18   | Noticed a dread lich
164406 | Zig:18   | Killed an ancient lich
164406 | Zig:18   | Killed a dread lich
164407 | Zig:18   | Killed an ancient lich
164409 | Zig:18   | Noticed a dread lich
164410 | Zig:18   | Noticed a dread lich
164412 | Zig:18   | Killed a dread lich
164414 | Zig:18   | Killed a dread lich
164574 | Zig:18   | Identified the +1 dagger of a volcano {freeze, *Noise Str+9
                  | Int+2}
164578 | Zig:18   | Identified the +0 sling of the Evening {elec, ^Drain rF+
                  | Int+3}
164599 | Zig:18   | Identified the +10 broad axe of Lilepro {drain, Dex+4}
164709 | Zig:19   | Entered Level 19 of a ziggurat
164711 | Zig:19   | Noticed Tuymouthrer the pandemonium lord
164711 | Zig:19   | Noticed Vemog the pandemonium lord
164711 | Zig:19   | Noticed Ufiakul the pandemonium lord
164712 | Zig:19   | Noticed Fuott the pandemonium lord
164712 | Zig:19   | Noticed Uzemn the pandemonium lord
164712 | Zig:19   | Noticed Othiliul the pandemonium lord
164712 | Zig:19   | Noticed Ebiggoe the pandemonium lord
164713 | Zig:19   | Noticed Qieplou the pandemonium lord
164713 | Zig:19   | Killed Qieplou the pandemonium lord
164713 | Zig:19   | Noticed Gyny the pandemonium lord
164713 | Zig:19   | Noticed Geukhoar the pandemonium lord
164714 | Zig:19   | Killed Tuymouthrer the pandemonium lord
164714 | Zig:19   | Noticed Kasoh the pandemonium lord
164714 | Zig:19   | Noticed Ennovaza the pandemonium lord
164714 | Zig:19   | Noticed Yrghiliu the pandemonium lord
164715 | Zig:19   | Killed Vemog the pandemonium lord
164715 | Zig:19   | Killed Fuott the pandemonium lord
164715 | Zig:19   | Killed Ufiakul the pandemonium lord
164716 | Zig:19   | Noticed Niec the pandemonium lord
164716 | Zig:19   | Killed Ebiggoe the pandemonium lord
164716 | Zig:19   | Killed Ennovaza the pandemonium lord
164716 | Zig:19   | Killed Gyny the pandemonium lord
164716 | Zig:19   | Killed Othiliul the pandemonium lord
164716 | Zig:19   | Noticed Qops the pandemonium lord
164717 | Zig:19   | Noticed Metiff the pandemonium lord
164718 | Zig:19   | Noticed Etig the pandemonium lord
164718 | Zig:19   | Killed Qops the pandemonium lord
164718 | Zig:19   | Killed Geukhoar the pandemonium lord
164718 | Zig:19   | Killed Yrghiliu the pandemonium lord
164718 | Zig:19   | Killed Uzemn the pandemonium lord
164718 | Zig:19   | Noticed Moasosuo the pandemonium lord
164719 | Zig:19   | Noticed Iddiatz the pandemonium lord
164720 | Zig:19   | Noticed Inaut the pandemonium lord
164720 | Zig:19   | Killed Niec the pandemonium lord
164720 | Zig:19   | Noticed Foitwiggik the pandemonium lord
164720 | Zig:19   | Noticed Vefiont the pandemonium lord
164720 | Zig:19   | Noticed Moanno the pandemonium lord
164721 | Zig:19   | Killed Etig the pandemonium lord
164721 | Zig:19   | Killed Kasoh the pandemonium lord
164721 | Zig:19   | Killed Inaut the pandemonium lord
164721 | Zig:19   | Noticed Cumicurebo the pandemonium lord
164722 | Zig:19   | Killed Foitwiggik the pandemonium lord
164722 | Zig:19   | Killed Moanno the pandemonium lord
164722 | Zig:19   | Noticed Ufroagetz the pandemonium lord
164723 | Zig:19   | Killed Iddiatz the pandemonium lord
164723 | Zig:19   | Noticed Taenliedgh the pandemonium lord
164724 | Zig:19   | Killed Metiff the pandemonium lord
164724 | Zig:19   | Noticed Liam the pandemonium lord
164725 | Zig:19   | Killed Moasosuo the pandemonium lord
164725 | Zig:19   | Killed Vefiont the pandemonium lord
164726 | Zig:19   | Killed Cumicurebo the pandemonium lord
164727 | Zig:19   | Killed Liam the pandemonium lord
164727 | Zig:19   | Killed Ufroagetz the pandemonium lord
164727 | Zig:19   | Noticed Xoptont the pandemonium lord
164727 | Zig:19   | Noticed Vovaok the pandemonium lord
164728 | Zig:19   | Noticed Vedghaif the pandemonium lord
164729 | Zig:19   | Killed Taenliedgh the pandemonium lord
164729 | Zig:19   | Noticed Ezosufu the pandemonium lord
164729 | Zig:19   | Noticed Jifasuver the pandemonium lord
164730 | Zig:19   | Noticed Gelusea the pandemonium lord
164730 | Zig:19   | Killed Xoptont the pandemonium lord
164730 | Zig:19   | Noticed Eduohuv the pandemonium lord
164731 | Zig:19   | Killed Vovaok the pandemonium lord
164732 | Zig:19   | Noticed Jaemoah the pandemonium lord
164732 | Zig:19   | Killed Vedghaif the pandemonium lord
164732 | Zig:19   | Noticed Toipuepe the pandemonium lord
164733 | Zig:19   | Killed Gelusea the pandemonium lord
164733 | Zig:19   | Killed Ezosufu the pandemonium lord
164733 | Zig:19   | Noticed Conwen Vue the pandemonium lord
164734 | Zig:19   | Killed Jifasuver the pandemonium lord
164735 | Zig:19   | Killed Jaemoah the pandemonium lord
164735 | Zig:19   | Killed Eduohuv the pandemonium lord
164735 | Zig:19   | Noticed Pehaek the pandemonium lord
164735 | Zig:19   | Noticed Egesalaazo the pandemonium lord
164735 | Zig:19   | Noticed Sulo Qin the pandemonium lord
164736 | Zig:19   | Noticed Meclias the pandemonium lord
164736 | Zig:19   | Noticed Jeboav the pandemonium lord
164736 | Zig:19   | Noticed Zoqac the pandemonium lord
164737 | Zig:19   | Noticed Ovvaas the pandemonium lord
164737 | Zig:19   | Noticed Pughuer the pandemonium lord
164739 | Zig:19   | Killed Ovvaas the pandemonium lord
164739 | Zig:19   | Killed Conwen Vue the pandemonium lord
164739 | Zig:19   | Noticed Kofoliv the pandemonium lord
164739 | Zig:19   | Killed Sulo Qin the pandemonium lord
164740 | Zig:19   | Killed Toipuepe the pandemonium lord
164740 | Zig:19   | Noticed Maudd the pandemonium lord
164741 | Zig:19   | Noticed Nexuschaxt the pandemonium lord
164742 | Zig:19   | Killed Meclias the pandemonium lord
164743 | Zig:19   | Noticed Vussuis the pandemonium lord
164744 | Zig:19   | Killed Jeboav the pandemonium lord
164746 | Zig:19   | Killed Pehaek the pandemonium lord
164746 | Zig:19   | Killed Maudd the pandemonium lord
164746 | Zig:19   | Killed Egesalaazo the pandemonium lord
164746 | Zig:19   | Killed Zoqac the pandemonium lord
164746 | Zig:19   | Killed Kofoliv the pandemonium lord
164746 | Zig:19   | Noticed Vimmouti the pandemonium lord
164746 | Zig:19   | Killed Ritovve the pandemonium lord
164748 | Zig:19   | Killed Pughuer the pandemonium lord
164748 | Zig:19   | Killed Vussuis the pandemonium lord
164749 | Zig:19   | Killed Vimmouti the pandemonium lord
164749 | Zig:19   | Killed Nexuschaxt the pandemonium lord
164886 | Zig:19   | Found the +11 Singing Sword {sonic wave}
164979 | Zig:19   | Identified the amulet "Gaf Amoabb" {RegenMP rF+ Str+4}
165003 | Zig:19   | Identified the amulet "Oxiefily" {Acrobat +Inv rF+ rN+
                  | SInv}
165006 | Zig:19   | Identified the flux talisman "Leacerex" {Int+3 Dex+2
                  | Slay+5}
165008 | Zig:19   | Identified the +8 sling of the Everdark {flame, ^Fragile
                  | rC+ Stlth+}
165038 | Zig:20   | Entered Level 20 of a ziggurat
165044 | Zig:20   | Noticed an ancient lich
165045 | Zig:20   | Noticed an ancient lich
165045 | Zig:20   | Noticed an ancient lich
165045 | Zig:20   | Noticed an ancient lich
165046 | Zig:20   | Killed an ancient lich
165046 | Zig:20   | Killed an ancient lich
165047 | Zig:20   | Noticed an ancient lich
165047 | Zig:20   | Noticed an ancient lich
165048 | Zig:20   | Killed an ancient lich
165048 | Zig:20   | Killed an ancient lich
165048 | Zig:20   | Noticed an ancient lich
165049 | Zig:20   | Noticed a dread lich
165049 | Zig:20   | Noticed an ancient lich
165049 | Zig:20   | Noticed a dread lich
165049 | Zig:20   | Noticed an ancient lich
165050 | Zig:20   | Killed an ancient lich
165050 | Zig:20   | Killed an ancient lich
165051 | Zig:20   | Noticed a dread lich
165051 | Zig:20   | Noticed an ancient lich
165051 | Zig:20   | Noticed an ancient lich
165051 | Zig:20   | Noticed an ancient lich
165051 | Zig:20   | Killed a dread lich
165052 | Zig:20   | Noticed an ancient lich
165052 | Zig:20   | Noticed an ancient lich
165052 | Zig:20   | Noticed an ancient lich
165052 | Zig:20   | Killed a dread lich
165053 | Zig:20   | Noticed an ancient lich
165053 | Zig:20   | Killed an ancient lich
165053 | Zig:20   | Killed an ancient lich
165053 | Zig:20   | Killed an ancient lich
165053 | Zig:20   | Killed an ancient lich
165053 | Zig:20   | Killed an ancient lich
165053 | Zig:20   | Killed an ancient lich
165053 | Zig:20   | Killed an ancient lich
165053 | Zig:20   | Killed an ancient lich
165053 | Zig:20   | Noticed a dread lich
165054 | Zig:20   | Noticed an ancient lich
165054 | Zig:20   | Noticed a dread lich
165054 | Zig:20   | Noticed a dread lich
165054 | Zig:20   | Noticed an ancient lich
165055 | Zig:20   | Killed a dread lich
165055 | Zig:20   | Killed an ancient lich
165055 | Zig:20   | Killed an ancient lich
165055 | Zig:20   | Killed a dread lich
165056 | Zig:20   | Noticed an ancient lich
165057 | Zig:20   | Noticed a dread lich
165058 | Zig:20   | Killed a dread lich
165058 | Zig:20   | Killed an ancient lich
165058 | Zig:20   | Killed a dread lich
165059 | Zig:20   | Killed a dread lich
165060 | Zig:20   | Killed an ancient lich
165060 | Zig:20   | Killed an ancient lich
165063 | Zig:20   | Found the +2 Maxwell's thermic engine {flame, freeze, rev}
165283 | Zig:20   | Identified the amulet "Ysmuz" {Faith SInv}
165331 | Zig:20   | Identified the +4 battleaxe of the Hammering Gods {chaos,
                  | ^Drain rN++ Int-5 Dex+3}
165332 | Zig:20   | Identified the +3 sling "Biw Ynoq" {drain, rElec rN+}
165333 | Zig:20   | Identified the +10 flail "Janenema" {speed, rElec rPois rC+
                  | Str+2}
165372 | Zig:21   | Entered Level 21 of a ziggurat
165423 | Zig:21   | Identified the staff of the Exiled Demons {rPois rN+ rCorr
                  | Alchemy}
165430 | Zig:21   | Identified the +9 shortbow of the Eternal Void {heavy,
                  | ^Fragile rElec rC+ rN+}
165482 | Zig:21   | Identified the +4 ring mail of the Worm {rPois rN++ Str-3
                  | SInv}
165483 | Zig:21   | Identified the +6 quarterstaff of the Pit {heavy, rC- rN+++
                  | Dex+2}
165490 | Zig:21   | Identified the +9 scimitar "Ebaaty" {freeze, Fly rC+ Dex+3}
165491 | Zig:21   | Identified the ring of Ynanezox {rElec rN+ AC+4}
165511 | Zig:21   | Identified the +3 ring mail of the Orcish Mines {Str+3
                  | Stlth+}
165516 | Zig:21   | Identified the +8 arbalest "Beetleslayer" {penet, rF+
                  | Int+3}
165912 | Zig:22   | Entered Level 22 of a ziggurat
166305 | Zig:22   | Identified the amulet of the Clam {Faith +Blink rF- Regen+
                  | Str-4}
166312 | Zig:22   | Identified the +0 dagger of the Ageing Coward {pain, rF+
                  | Str+4}
166331 | Zig:22   | Identified the ring "Vonaicag" {EV+5 Str+4}
166338 | Zig:22   | Identified the +1 great sword "Zaum" {elec, Will+ rCorr
                  | Dex+3}
166442 | Zig:23   | Entered Level 23 of a ziggurat
166472 | Abyss:6  | Cast into level 6 of the Abyss (unwielding a weapon of
                  | distortion)
166473 | Abyss:7  | Entered Level 7 of the Abyss
166515 | Zig:23   | Escaped the Abyss
166533 | Zig:23   | Noticed Uptoe the pandemonium lord
166555 | Zig:23   | Killed Uptoe the pandemonium lord
166563 | Abyss:7  | Entered Level 7 of the Abyss
166563 | Abyss:7  | Cast into level 7 of the Abyss (unwielding a weapon of
                  | distortion)
166594 | Zig:23   | Escaped the Abyss
166890 | Zig:23   | Identified the ring of Zyrol {rN+ rCorr}
166892 | Zig:23   | Identified the staff of the Girdle {*Slow rF+ rC+ rCorr Ice
                  | Alchemy}
166896 | Zig:23   | Identified the +9 dagger "Qofraeth" {flame, rElec rCorr
                  | Dex+3}
166917 | Zig:23   | Identified the +1 ring mail "Ottasm" {Rampage rElec rN+
                  | Str-4}
166922 | Zig:23   | Identified the staff of Classification {rN+ Will++ Dex+4
                  | Necro Earth}
166925 | Zig:23   | Identified the amulet of the Equinox {Regen+ Dex+2}
166947 | Zig:24   | Entered Level 24 of a ziggurat
166954 | Zig:24   | Noticed a seraph
166954 | Zig:24   | Killed a seraph
166959 | Zig:24   | Identified the +5 tower shield of the Devil's Advocate
                  | {Will+}
166961 | Zig:24   | Killed a seraph
166961 | Zig:24   | Killed a seraph
166963 | Zig:24   | Noticed a seraph
166972 | Zig:24   | Noticed a seraph
166973 | Zig:24   | Killed a seraph
166973 | Zig:24   | Noticed a seraph
166981 | Zig:24   | Killed a seraph
166981 | Zig:24   | Noticed a seraph
166984 | Zig:24   | Killed a seraph
166985 | Zig:24   | Killed a seraph
166992 | Zig:24   | Noticed a seraph
166993 | Zig:24   | Killed a seraph
167003 | Zig:24   | Identified the +0 tower shield of the Candlemaker {-Tele
                  | Rampage Str+5}
167010 | Zig:24   | Identified the +10 tower shield of Submission {rF+}
167015 | Zig:24   | Identified the +2 tower shield of Wrong Decisions {rN+
                  | Will+ Int+2}
167189 | Zig:24   | Identified the -2 tower shield "Liv Quhe" {Rampage rElec
                  | Will- Dex-4} (You took it off a daeva on level 24 of a
                  | ziggurat)
167256 | Zig:24   | Found the +7 hand cannon "Mule" {flame, backblast, rF+}
167276 | Zig:24   | Identified the +2 flail of Destiny {protect, rElec Str+3
                  | Int-4 Dex+3}
167309 | Zig:25   | Entered Level 25 of a ziggurat
167429 | Zig:25   | Identified the ring "Botoreoth" {Wiz Will+}
167435 | Zig:25   | Identified the +5 orcbow "Huroegit" {elec, rN+++ MP+9 Int-5
                  | SInv}
167442 | Zig:25   | Identified the +10 short sword of Bagof {freeze, Int+3}
167478 | Zig:25   | Identified the +7 sling "Fall" {flame, Dex+2}
167881 | Zig:26   | Entered Level 26 of a ziggurat
167881 | Zig:26   | Noticed a juggernaut
167881 | Zig:26   | Noticed a juggernaut
167881 | Zig:26   | Noticed a juggernaut
167881 | Zig:26   | Noticed a juggernaut
167882 | Zig:26   | Killed a juggernaut
167882 | Zig:26   | Killed a juggernaut
167883 | Zig:26   | Noticed a juggernaut
167883 | Zig:26   | Noticed a juggernaut
167884 | Zig:26   | Noticed a juggernaut
167884 | Zig:26   | Killed a juggernaut
167885 | Zig:26   | Killed a juggernaut
167885 | Zig:26   | Killed a juggernaut
167885 | Zig:26   | Killed a juggernaut
167885 | Zig:26   | Killed a juggernaut
167889 | Zig:26   | Noticed a juggernaut
167890 | Zig:26   | Noticed a juggernaut
167891 | Zig:26   | Killed a juggernaut
167891 | Zig:26   | Noticed a juggernaut
167892 | Zig:26   | Noticed a juggernaut
167892 | Zig:26   | Noticed a juggernaut
167892 | Zig:26   | Noticed a juggernaut
167893 | Zig:26   | Noticed a juggernaut
167893 | Zig:26   | Noticed a juggernaut
167894 | Zig:26   | Killed a juggernaut
167894 | Zig:26   | Killed a juggernaut
167894 | Zig:26   | Killed a juggernaut
167895 | Zig:26   | Noticed a juggernaut
167895 | Zig:26   | Noticed a juggernaut
167895 | Zig:26   | Killed a juggernaut
167896 | Zig:26   | Noticed a juggernaut
167896 | Zig:26   | Noticed a juggernaut
167896 | Zig:26   | Noticed a juggernaut
167897 | Zig:26   | Killed a juggernaut
167897 | Zig:26   | Killed a juggernaut
167897 | Zig:26   | Killed a juggernaut
167897 | Zig:26   | Killed a juggernaut
167897 | Zig:26   | Killed a juggernaut
167897 | Zig:26   | Killed a juggernaut
167898 | Zig:26   | Noticed a juggernaut
167899 | Zig:26   | Noticed a juggernaut
167900 | Zig:26   | Killed a juggernaut
167901 | Zig:26   | Noticed a juggernaut
167902 | Zig:26   | Noticed a juggernaut
167903 | Zig:26   | Noticed a juggernaut
167903 | Zig:26   | Killed a juggernaut
167903 | Zig:26   | Killed a juggernaut
167903 | Zig:26   | Killed a juggernaut
167903 | Zig:26   | Killed a juggernaut
167903 | Zig:26   | Killed a juggernaut
167905 | Zig:26   | Killed a juggernaut
167907 | Zig:26   | Noticed a juggernaut
167908 | Zig:26   | Noticed a juggernaut
167909 | Zig:26   | Killed a juggernaut
167910 | Zig:26   | Found the +3 hat of Pondering {ponderous, Will+ MP+10
                  | Int+5}
167914 | Zig:26   | Killed a juggernaut
168281 | Zig:26   | Identified the +1 plate armour of Puxkaytt {MP-9 Dex+5}
168339 | Zig:26   | Identified the +5 scimitar of the Silent Majority {chaos,
                  | *Slow rF+ rCorr}
168356 | Zig:26   | Identified the +3 spear of Okawaru's Envy {holy, ^Fragile
                  | rPois MP+9 Str-5}
168366 | Zig:26   | Identified the staff of Valiance {rC+ Str-4 Necro Ice
                  | Alchemy}
168376 | Zig:26   | Identified the +8 trident of Melee {speed, ^Contam rCorr
                  | SInv}
168393 | Zig:26   | Identified the ring "Motuneq" {rPois rF+++ AC+4 Dex-4}
168401 | Zig:26   | Identified the +8 plate armour "Isodwul" {Regen+ Int+4
                  | Dex-2 Slay+3}
168403 | Zig:26   | Identified the +3 chain mail of Fortification {+Inv rPois
                  | rCorr Slay-6}
168404 | Zig:26   | Identified the staff "Plog" {rElec rN+ Stlth+ Air}
168412 | Zig:26   | Acquired 779 gold pieces
168413 | Zig:26   | Acquired 446 gold pieces
168414 | Zig:26   | Acquired 754 gold pieces
168420 | Zig:26   | Identified the staff of Tortfeasance {+Blink rF+ Str+5
                  | Stlth- Necro Fire}
168432 | Zig:26   | Identified the staff of Disintegration {rPois rF+ Str-5
                  | Int+3 Fire}
168436 | Zig:26   | Identified the +6 morningstar "Wedabak" {vamp, rElec rPois
                  | Int-3 Dex+3}
168447 | Zig:26   | Identified the +1 trident "Myllad" {freeze, Str+4 Int+5}
168533 | Zig:27   | Entered Level 27 of a ziggurat
168541 | Zig:27   | Paralysed by an air elemental for 1 turns
168565 | Zig:27   | Found the +5 Storm Queen's Shield {shock, Fly rElec}
168565 | Zig:27   | Found the ring of the Octopus King
168603 | Zig:27   | Identified the +11 mace "Exoosyw" {protect, *Rage rPois
                  | rCorr Str+3}
168611 | Zig:27   | Identified the amulet of Bodily Harmony {Spirit Harm rF+}
168613 | Zig:27   | Identified the +0 chain mail "Miteijyi" {Harm *Slow rF+
                  | Int+2 SInv}
168618 | Zig:27   | Identified the +0 pair of boots of Vehumet's Castigation
                  | {rElec}
168628 | Zig:27   | Identified the +3 quarterstaff of Doyl {holy, Int+2}
168630 | Zig:27   | Identified a ring of the Octopus King {rF+ HP+2 AC+2 EV+2
                  | SH+2}
168955 | Zig:27   | Identified the +1 flail "Giantslayer" {pain, rPois Will-
                  | rCorr Str+6}
168966 | Zig:27   | Identified the +0 leather armour "Ganoachient" {Dex+6}
169001 | Zig:27   | Identified the ring "Qod Tudd" {Will+ rCorr Int+4}
169039 | Zig:27   | Identified the staff of the Baking Gods {^Fragile Int-2
                  | Conj Hexes Earth}
169071 | Depths:3 | :zig time 11:53 end
169200 | Depths:3 | Lost mutation: You possess an exceptional clarity of mind.
                  | [potion of mutation]
169200 | Depths:3 | Lost mutation: You are strong-willed. (Will+) [potion of
                  | mutation]
169200 | Depths:3 | Gained mutation: You expend magic power (3 MP) to
                  | strengthen your wands. [potion of mutation]
169200 | Depths:3 | Gained mutation: Potions are less effective at restoring
                  | your health. [potion of mutation]
169201 | Depths:3 | Lost mutation: You have supernaturally acute eyesight.
                  | (SInv) [potion of mutation]
169201 | Depths:3 | Lost mutation: You are partially covered in iridescent
                  | scales. (AC +2) [potion of mutation]
169201 | Depths:3 | Gained mutation: Your flesh is cold resistant. (rC+)
                  | [potion of mutation]
169202 | Depths:3 | Lost mutation: You expend magic power (3 MP) to strengthen
                  | your wands. [potion of mutation]
169202 | Depths:3 | Lost mutation: You have sharp fingernails. [potion of
                  | mutation]
169202 | Depths:3 | Gained mutation: You are robust. (+10% HP) [potion of
                  | mutation]
169203 | Depths:3 | Lost mutation: Your flesh is cold resistant. (rC+) [potion
                  | of mutation]
169203 | Depths:3 | Lost mutation: You are robust. (+10% HP) [potion of
                  | mutation]
169203 | Depths:3 | Lost mutation: Potions are less effective at restoring your
                  | health. [potion of mutation]
169203 | Depths:3 | Gained mutation: You have large cloven feet. [potion of
                  | mutation]
169203 | Depths:3 | Gained mutation: Your movements are slightly less
                  | encumbered by armour. (ER -2) [potion of mutation]
169203 | Depths:3 | Gained mutation: You are somewhat resistant to further
                  | mutation. [potion of mutation]
169204 | Depths:3 | Lost mutation: You are somewhat resistant to further
                  | mutation. [potion of mutation]
169204 | Depths:3 | Lost mutation: You have large cloven feet. [potion of
                  | mutation]
169204 | Depths:3 | Lost mutation: Your movements are slightly less encumbered
                  | by armour. (ER -2) [potion of mutation]
169204 | Depths:3 | Gained mutation: Your flesh is cold resistant. (rC+)
                  | [potion of mutation]
169204 | Depths:3 | Lost mutation: Your flesh is cold resistant. (rC+) [potion
                  | of mutation]
169205 | Depths:3 | Gained mutation: Your natural rate of healing is unusually
                  | fast. [potion of mutation]
169205 | Depths:3 | Gained mutation: You are weak. (Str -2) [potion of
                  | mutation]
169205 | Depths:3 | Lost mutation: Your natural rate of healing is unusually
                  | fast. [potion of mutation]
169205 | Depths:3 | Gained mutation: You have a pair of small antennae on your
                  | head. [potion of mutation]
169206 | Depths:3 | Lost mutation: You are weak. (Str -2) [potion of mutation]
169206 | Depths:3 | Lost mutation: You have a pair of small antennae on your
                  | head. [potion of mutation]
169206 | Depths:3 | Gained mutation: You have a pair of small horns on your
                  | head. [potion of mutation]
169206 | Depths:3 | Gained mutation: You are partially covered in large bone
                  | plates. (SH +4) [potion of mutation]
169206 | Depths:3 | Gained mutation: You occasionally lose the ability to drink
                  | potions when taking damage. [potion of mutation]
169206 | Depths:3 | Gained mutation: You are robust. (+10% HP) [potion of
                  | mutation]
169207 | Depths:3 | Lost mutation: You are partially covered in large bone
                  | plates. (SH +4) [potion of mutation]
169207 | Depths:3 | Lost mutation: You occasionally lose the ability to drink
                  | potions when taking damage. [potion of mutation]
169207 | Depths:3 | Gained mutation: You passively dampen the noise of your
                  | surroundings. [potion of mutation]
169207 | Depths:3 | Gained mutation: You are covered in fur. (AC +1) [potion of
                  | mutation]
169208 | Depths:3 | Lost mutation: You passively dampen the noise of your
                  | surroundings. [potion of mutation]
169208 | Depths:3 | Lost mutation: You are robust. (+10% HP) [potion of
                  | mutation]
169208 | Depths:3 | Gained mutation: You passively dampen the noise of your
                  | surroundings. [potion of mutation]
169208 | Depths:3 | Gained mutation: Your flesh is cold resistant. (rC+)
                  | [potion of mutation]
169208 | Depths:3 | Lost mutation: You passively dampen the noise of your
                  | surroundings. [potion of mutation]
169208 | Depths:3 | Gained mutation: You have sharp fingernails. [potion of
                  | mutation]
169209 | Depths:3 | Lost mutation: You have sharp fingernails. [potion of
                  | mutation]
169209 | Depths:3 | Lost mutation: Your flesh is cold resistant. (rC+) [potion
                  | of mutation]
169209 | Depths:3 | Gained mutation: You occasionally lose the ability to drink
                  | potions when taking damage. [potion of mutation]
169209 | Depths:3 | Gained mutation: You have sharp toenails. [potion of
                  | mutation]
169209 | Depths:3 | Gained mutation: You passively map a small area around you.
                  | [potion of mutation]
169209 | Depths:3 | Gained mutation: You have a pair of horns on your head.
                  | [potion of mutation]
169210 | Depths:3 | Lost mutation: You have a pair of horns on your head.
                  | [potion of mutation]
169210 | Depths:3 | Lost mutation: You have a pair of small horns on your head.
                  | [potion of mutation]
169210 | Depths:3 | Lost mutation: You passively map a small area around you.
                  | [potion of mutation]
169210 | Depths:3 | Gained mutation: Armour fits poorly on your strangely
                  | shaped body. [potion of mutation]
169210 | Depths:3 | Gained mutation: You are agile. (Dex +4, Str/Int -1)
                  | [potion of mutation]
169211 | Depths:3 | Lost mutation: You are agile. (Dex +4, Str/Int -1) [potion
                  | of mutation]
169211 | Depths:3 | Lost mutation: You are covered in fur. (AC +1) [potion of
                  | mutation]
169211 | Depths:3 | Gained mutation: You occasionally shout uncontrollably at
                  | your foes. [potion of mutation]
169212 | Depths:3 | Lost mutation: You have sharp toenails. [potion of
                  | mutation]
169212 | Depths:3 | Lost mutation: You occasionally shout uncontrollably at
                  | your foes. [potion of mutation]
169212 | Depths:3 | Gained mutation: Your body sometimes deteriorates upon
                  | taking damage. [potion of mutation]
169212 | Depths:3 | Gained mutation: Your magical capacity is low. (-10% MP)
                  | [potion of mutation]
169212 | Depths:3 | Gained mutation: You are covered in fur. (AC +1) [potion of
                  | mutation]
169213 | Depths:3 | Lost mutation: Your magical capacity is low. (-10% MP)
                  | [potion of mutation]
169213 | Depths:3 | Lost mutation: You occasionally lose the ability to drink
                  | potions when taking damage. [potion of mutation]
169213 | Depths:3 | Gained mutation: You are agile. (Dex +4, Str/Int -1)
                  | [potion of mutation]
169214 | Depths:3 | Lost mutation: Your body sometimes deteriorates upon taking
                  | damage. [potion of mutation]
169214 | Depths:3 | Lost mutation: Armour fits poorly on your strangely shaped
                  | body. [potion of mutation]
169214 | Depths:3 | Gained mutation: You are very agile. (Dex +8, Str/Int -2)
                  | [potion of mutation]
169214 | Depths:3 | Gained mutation: You are partially covered in iridescent
                  | scales. (AC +2) [potion of mutation]
169214 | Depths:3 | Gained mutation: You have sharp toenails. [potion of
                  | mutation]
169234 | Depths:3 | Lost mutation: You are covered in fur. (AC +1) [potion of
                  | mutation]
169234 | Depths:3 | Lost mutation: You are partially covered in iridescent
                  | scales. (AC +2) [potion of mutation]
169234 | Depths:3 | Gained mutation: Your health recovers twice as slowly from
                  | being drained. [potion of mutation]
169235 | Depths:3 | Lost mutation: Your health recovers twice as slowly from
                  | being drained. [potion of mutation]
169235 | Depths:3 | Lost mutation: You have sharp toenails. [potion of
                  | mutation]
169235 | Depths:3 | Lost mutation: You are very agile. (Dex +8, Str/Int -2)
                  | [potion of mutation]
169235 | Depths:3 | Gained mutation: Your mind is acute. (Int +4, Str/Dex -1)
                  | [potion of mutation]
169236 | Depths:3 | Lost mutation: Your mind is acute. (Int +4, Str/Dex -1)
                  | [potion of mutation]
169236 | Depths:3 | Lost mutation: You are agile. (Dex +4, Str/Int -1) [potion
                  | of mutation]
169236 | Depths:3 | Gained mutation: You have an increased reservoir of magic.
                  | (+10% MP) [potion of mutation]
169236 | Depths:3 | Gained mutation: Your health recovers twice as slowly from
                  | being drained. [potion of mutation]
169236 | Depths:3 | Gained mutation: Potions are less effective at restoring
                  | your health. [potion of mutation]
169237 | Depths:3 | Lost mutation: Potions are less effective at restoring your
                  | health. [potion of mutation]
169237 | Depths:3 | Lost mutation: You have an increased reservoir of magic.
                  | (+10% MP) [potion of mutation]
169237 | Depths:3 | Lost mutation: Your health recovers twice as slowly from
                  | being drained. [potion of mutation]
169237 | Depths:3 | Gained mutation: You are strong-willed. (Will+) [potion of
                  | mutation]
169237 | Depths:3 | Gained mutation: You do not regenerate when monsters are
                  | visible. [potion of mutation]
169237 | Depths:3 | Gained mutation: Your skin changes colour to match your
                  | surroundings (Stealth+). [potion of mutation]
169237 | Depths:3 | Gained mutation: You expend magic power (3 MP) to
                  | strengthen your wands. [potion of mutation]
169238 | Depths:3 | Lost mutation: Your skin changes colour to match your
                  | surroundings (Stealth+). [potion of mutation]
169238 | Depths:3 | Lost mutation: You are strong-willed. (Will+) [potion of
                  | mutation]
169238 | Depths:3 | Lost mutation: You do not regenerate when monsters are
                  | visible. [potion of mutation]
169238 | Depths:3 | Gained mutation: Your mind is acute. (Int +4, Str/Dex -1)
                  | [potion of mutation]
169238 | Depths:3 | Gained mutation: You have a pair of small antennae on your
                  | head. [potion of mutation]
169238 | Depths:3 | Gained mutation: You occasionally lose the ability to drink
                  | potions when taking damage. [potion of mutation]
169239 | Depths:3 | Lost mutation: You occasionally lose the ability to drink
                  | potions when taking damage. [potion of mutation]
169239 | Depths:3 | Lost mutation: Your mind is acute. (Int +4, Str/Dex -1)
                  | [potion of mutation]
169239 | Depths:3 | Gained mutation: Your health recovers twice as slowly from
                  | being drained. [potion of mutation]
169240 | Depths:3 | Lost mutation: Your health recovers twice as slowly from
                  | being drained. [potion of mutation]
169240 | Depths:3 | Lost mutation: You have a pair of small antennae on your
                  | head. [potion of mutation]
169240 | Depths:3 | Lost mutation: You expend magic power (3 MP) to strengthen
                  | your wands. [potion of mutation]
169240 | Depths:3 | Gained mutation: You are covered in fur. (AC +1) [potion of
                  | mutation]
169240 | Depths:3 | Gained mutation: Your health recovers twice as slowly from
                  | being drained. [potion of mutation]
169240 | Depths:3 | Gained mutation: You are strong-willed. (Will+) [potion of
                  | mutation]
169241 | Depths:3 | Lost mutation: You are strong-willed. (Will+) [potion of
                  | mutation]
169241 | Depths:3 | Lost mutation: Your health recovers twice as slowly from
                  | being drained. [potion of mutation]
169241 | Depths:3 | Gained mutation: You are robust. (+10% HP) [potion of
                  | mutation]
169242 | Depths:3 | Lost mutation: You are covered in fur. (AC +1) [potion of
                  | mutation]
169242 | Depths:3 | Lost mutation: You are robust. (+10% HP) [potion of
                  | mutation]
169242 | Depths:3 | Gained mutation: You are partially covered in iridescent
                  | scales. (AC +2) [potion of mutation]
169242 | Depths:3 | Gained mutation: You passively map a small area around you.
                  | [potion of mutation]
169242 | Depths:3 | Gained mutation: You have a pair of small antennae on your
                  | head. [potion of mutation]
169243 | Depths:3 | Lost mutation: You have a pair of small antennae on your
                  | head. [potion of mutation]
169243 | Depths:3 | Lost mutation: You passively map a small area around you.
                  | [potion of mutation]
169243 | Depths:3 | Gained mutation: You expend magic power (3 MP) to
                  | strengthen your wands. [potion of mutation]
169243 | Depths:3 | Gained mutation: You are covered in fur. (AC +1) [potion of
                  | mutation]
169243 | Depths:3 | Gained mutation: Your natural rate of healing is unusually
                  | fast. [potion of mutation]
169244 | Depths:3 | Lost mutation: Your natural rate of healing is unusually
                  | fast. [potion of mutation]
169244 | Depths:3 | Lost mutation: You expend magic power (3 MP) to strengthen
                  | your wands. [potion of mutation]
169244 | Depths:3 | Lost mutation: You are partially covered in iridescent
                  | scales. (AC +2) [potion of mutation]
169244 | Depths:3 | Gained mutation: You passively map a small area around you.
                  | [potion of mutation]
169244 | Depths:3 | Gained mutation: You have a pair of small antennae on your
                  | head. [potion of mutation]
169244 | Depths:3 | Gained mutation: Your muscles are strong. (Str +4, Int/Dex
                  | -1) [potion of mutation]
169245 | Depths:3 | Lost mutation: You are covered in fur. (AC +1) [potion of
                  | mutation]
169245 | Depths:3 | Lost mutation: You have a pair of small antennae on your
                  | head. [potion of mutation]
169245 | Depths:3 | Gained mutation: You are partially covered in iridescent
                  | scales. (AC +2) [potion of mutation]
169245 | Depths:3 | Lost mutation: Your muscles are strong. (Str +4, Int/Dex
                  | -1) [potion of mutation]
169246 | Depths:3 | Lost mutation: You passively map a small area around you.
                  | [potion of mutation]
169246 | Depths:3 | Lost mutation: You are partially covered in iridescent
                  | scales. (AC +2) [potion of mutation]
169246 | Depths:3 | Gained mutation: Your flesh is heat resistant. (rF+)
                  | [potion of mutation]
169247 | Depths:3 | Lost mutation: Your flesh is heat resistant. (rF+) [potion
                  | of mutation]
169247 | Depths:3 | Gained mutation: You expend magic power (3 MP) to
                  | strengthen your wands. [potion of mutation]
169247 | Depths:3 | Gained mutation: You have sharp toenails. [potion of
                  | mutation]
169248 | Depths:3 | Lost mutation: You expend magic power (3 MP) to strengthen
                  | your wands. [potion of mutation]
169248 | Depths:3 | Lost mutation: You have sharp toenails. [potion of
                  | mutation]
169248 | Depths:3 | Gained mutation: You have a pair of small horns on your
                  | head. [potion of mutation]
169248 | Depths:3 | Gained mutation: You occasionally lose the ability to read
                  | scrolls when taking damage. [potion of mutation]
169248 | Depths:3 | Gained mutation: You are frail. (-10% HP) [potion of
                  | mutation]
169249 | Depths:3 | Lost mutation: You are frail. (-10% HP) [potion of
                  | mutation]
169249 | Depths:3 | Lost mutation: You have a pair of small horns on your head.
                  | [potion of mutation]
169249 | Depths:3 | Lost mutation: You occasionally lose the ability to read
                  | scrolls when taking damage. [potion of mutation]
169249 | Depths:3 | Gained mutation: Your flesh is heat resistant. (rF+)
                  | [potion of mutation]
169249 | Depths:3 | Gained mutation: Your mind is acute. (Int +4, Str/Dex -1)
                  | [potion of mutation]
169249 | Depths:3 | Lost mutation: Your mind is acute. (Int +4, Str/Dex -1)
                  | [potion of mutation]
169250 | Depths:3 | Lost mutation: Your flesh is heat resistant. (rF+) [potion
                  | of mutation]
169250 | Depths:3 | Gained mutation: You have hidden genetic defects. [potion
                  | of mutation]
169250 | Depths:3 | Gained mutation: You are agile. (Dex +4, Str/Int -1)
                  | [potion of mutation]
169251 | Depths:3 | Lost mutation: You are agile. (Dex +4, Str/Int -1) [potion
                  | of mutation]
169251 | Depths:3 | Lost mutation: You have hidden genetic defects. [potion of
                  | mutation]
169251 | Depths:3 | Gained mutation: Your movements are slightly less
                  | encumbered by armour. (ER -2) [potion of mutation]
169251 | Depths:3 | Gained mutation: You have a pair of small horns on your
                  | head. [potion of mutation]
169251 | Depths:3 | Gained mutation: Your spells are a little harder to cast,
                  | but a little more powerful. [potion of mutation]
169252 | Depths:3 | Lost mutation: Your movements are slightly less encumbered
                  | by armour. (ER -2) [potion of mutation]
169252 | Depths:3 | Lost mutation: Your spells are a little harder to cast, but
                  | a little more powerful. [potion of mutation]
169252 | Depths:3 | Lost mutation: You have a pair of small horns on your head.
                  | [potion of mutation]
169252 | Depths:3 | Gained mutation: Your muscles are strong. (Str +4, Int/Dex
                  | -1) [potion of mutation]
169252 | Depths:3 | Gained mutation: You have an increased reservoir of magic.
                  | (+10% MP) [potion of mutation]
169252 | Depths:3 | Gained mutation: Your flesh is heat resistant. (rF+)
                  | [potion of mutation]
169253 | Depths:3 | Lost mutation: Your muscles are strong. (Str +4, Int/Dex
                  | -1) [potion of mutation]
169253 | Depths:3 | Lost mutation: Your flesh is heat resistant. (rF+) [potion
                  | of mutation]
169253 | Depths:3 | Gained mutation: You possess an exceptional clarity of
                  | mind. [potion of mutation]
169253 | Depths:3 | Gained mutation: You are clumsy. (Dex -2) [potion of
                  | mutation]
169253 | Depths:3 | Gained mutation: You are robust. (+10% HP) [potion of
                  | mutation]
169254 | Depths:3 | Lost mutation: You are clumsy. (Dex -2) [potion of
                  | mutation]
169254 | Depths:3 | Lost mutation: You are robust. (+10% HP) [potion of
                  | mutation]
169254 | Depths:3 | Gained mutation: You occasionally lose the ability to drink
                  | potions when taking damage. [potion of mutation]
169254 | Depths:3 | Gained mutation: You have a pair of small horns on your
                  | head. [potion of mutation]
169255 | Depths:3 | Lost mutation: You occasionally lose the ability to drink
                  | potions when taking damage. [potion of mutation]
169255 | Depths:3 | Lost mutation: You have a pair of small horns on your head.
                  | [potion of mutation]
169255 | Depths:3 | Gained mutation: Your spells are a little harder to cast,
                  | but a little more powerful. [potion of mutation]
169255 | Depths:3 | Gained mutation: You have hidden genetic defects. [potion
                  | of mutation]
169255 | Depths:3 | Gained mutation: You are agile. (Dex +4, Str/Int -1)
                  | [potion of mutation]
169256 | Depths:3 | Lost mutation: You have an increased reservoir of magic.
                  | (+10% MP) [potion of mutation]
169256 | Depths:3 | Lost mutation: You are agile. (Dex +4, Str/Int -1) [potion
                  | of mutation]
169256 | Depths:3 | Lost mutation: Your spells are a little harder to cast, but
                  | a little more powerful. [potion of mutation]
169256 | Depths:3 | Gained mutation: You passively dampen the noise of your
                  | surroundings. [potion of mutation]
169256 | Depths:3 | Gained mutation: Your movements are slightly less
                  | encumbered by armour. (ER -2) [potion of mutation]
169256 | Depths:3 | Gained mutation: You are agile. (Dex +4, Str/Int -1)
                  | [potion of mutation]
169257 | Depths:3 | Lost mutation: You possess an exceptional clarity of mind.
                  | [potion of mutation]
169257 | Depths:3 | Lost mutation: Your movements are slightly less encumbered
                  | by armour. (ER -2) [potion of mutation]
169257 | Depths:3 | Lost mutation: You passively dampen the noise of your
                  | surroundings. [potion of mutation]
169257 | Depths:3 | Gained mutation: You are robust. (+10% HP) [potion of
                  | mutation]
169257 | Depths:3 | Gained mutation: You have large cloven feet. [potion of
                  | mutation]
169258 | Depths:3 | Lost mutation: You are robust. (+10% HP) [potion of
                  | mutation]
169258 | Depths:3 | Lost mutation: You are agile. (Dex +4, Str/Int -1) [potion
                  | of mutation]
169258 | Depths:3 | Lost mutation: You have large cloven feet. [potion of
                  | mutation]
169258 | Depths:3 | Gained mutation: You have a pair of small horns on your
                  | head. [potion of mutation]
169258 | Depths:3 | Gained mutation: You are frail. (-10% HP) [potion of
                  | mutation]
169258 | Depths:3 | Lost mutation: You have a pair of small horns on your head.
                  | [potion of mutation]
169259 | Depths:3 | Lost mutation: You have hidden genetic defects. [potion of
                  | mutation]
169259 | Depths:3 | Lost mutation: You are frail. (-10% HP) [potion of
                  | mutation]
169259 | Depths:3 | Gained mutation: Your mind is acute. (Int +4, Str/Dex -1)
                  | [potion of mutation]
169259 | Depths:3 | Gained mutation: You have a beak for a mouth. [potion of
                  | mutation]
169259 | Depths:3 | Gained mutation: You are partially covered in iridescent
                  | scales. (AC +2) [potion of mutation]
169260 | Depths:3 | Lost mutation: You are partially covered in iridescent
                  | scales. (AC +2) [potion of mutation]
169260 | Depths:3 | Lost mutation: Your mind is acute. (Int +4, Str/Dex -1)
                  | [potion of mutation]
169260 | Depths:3 | Lost mutation: You have a beak for a mouth. [potion of
                  | mutation]
169260 | Depths:3 | Gained mutation: You occasionally lose the ability to read
                  | scrolls when taking damage. [potion of mutation]
169261 | Depths:3 | Lost mutation: You occasionally lose the ability to read
                  | scrolls when taking damage. [potion of mutation]
169261 | Depths:3 | Gained mutation: Your body sometimes deteriorates upon
                  | taking damage. [potion of mutation]
169261 | Depths:3 | Gained mutation: You have a beak for a mouth. [potion of
                  | mutation]
169262 | Depths:3 | Lost mutation: You have a beak for a mouth. [potion of
                  | mutation]
169262 | Depths:3 | Lost mutation: Your body sometimes deteriorates upon taking
                  | damage. [potion of mutation]
169262 | Depths:3 | Gained mutation: You have a pair of small horns on your
                  | head. [potion of mutation]
169262 | Depths:3 | Gained mutation: You are frail. (-10% HP) [potion of
                  | mutation]
169262 | Depths:3 | Gained mutation: You have very sharp teeth. [potion of
                  | mutation]
169263 | Depths:3 | Lost mutation: You have a pair of small horns on your head.
                  | [potion of mutation]
169263 | Depths:3 | Lost mutation: You have very sharp teeth. [potion of
                  | mutation]
169263 | Depths:3 | Lost mutation: You are frail. (-10% HP) [potion of
                  | mutation]
169263 | Depths:3 | Gained mutation: You possess an exceptional clarity of
                  | mind. [potion of mutation]
169263 | Depths:3 | Gained mutation: Your flesh is heat resistant. (rF+)
                  | [potion of mutation]
169263 | Depths:3 | Gained mutation: You are partially covered in iridescent
                  | scales. (AC +2) [potion of mutation]
169264 | Depths:3 | Lost mutation: You possess an exceptional clarity of mind.
                  | [potion of mutation]
169264 | Depths:3 | Lost mutation: You are partially covered in iridescent
                  | scales. (AC +2) [potion of mutation]
169264 | Depths:3 | Gained mutation: You are strong-willed. (Will+) [potion of
                  | mutation]
169264 | Depths:3 | Gained mutation: You sometimes lose your temper in combat.
                  | [potion of mutation]
169265 | Depths:3 | Lost mutation: You sometimes lose your temper in combat.
                  | [potion of mutation]
169265 | Depths:3 | Lost mutation: You are strong-willed. (Will+) [potion of
                  | mutation]
169265 | Depths:3 | Gained mutation: You are dopey. (Int -2) [potion of
                  | mutation]
169265 | Depths:3 | Gained mutation: Your magical capacity is low. (-10% MP)
                  | [potion of mutation]
169265 | Depths:3 | Gained mutation: Your health recovers twice as slowly from
                  | being drained. [potion of mutation]
169265 | Depths:3 | Gained mutation: Your muscles are strong. (Str +4, Int/Dex
                  | -1) [potion of mutation]
169266 | Depths:3 | Lost mutation: Your muscles are strong. (Str +4, Int/Dex
                  | -1) [potion of mutation]
169266 | Depths:3 | Lost mutation: Your flesh is heat resistant. (rF+) [potion
                  | of mutation]
169266 | Depths:3 | Gained mutation: You are weak. (Str -2) [potion of
                  | mutation]
169267 | Depths:3 | Lost mutation: You are dopey. (Int -2) [potion of mutation]
169267 | Depths:3 | Lost mutation: You are weak. (Str -2) [potion of mutation]
169267 | Depths:3 | Gained mutation: Your spells are a little easier to cast,
                  | but a little less powerful. [potion of mutation]
169268 | Depths:3 | Lost mutation: Your health recovers twice as slowly from
                  | being drained. [potion of mutation]
169268 | Depths:3 | Lost mutation: Your magical capacity is low. (-10% MP)
                  | [potion of mutation]
169268 | Depths:3 | Lost mutation: Your spells are a little easier to cast, but
                  | a little less powerful. [potion of mutation]
169268 | Depths:3 | Gained mutation: You are weak. (Str -2) [potion of
                  | mutation]
169269 | Depths:3 | Lost mutation: You are weak. (Str -2) [potion of mutation]
169269 | Depths:3 | Gained mutation: You possess an exceptional clarity of
                  | mind. [potion of mutation]
169269 | Depths:3 | Gained mutation: You have supernaturally acute eyesight.
                  | (SInv) [potion of mutation]
169269 | Depths:3 | Gained mutation: You passively map a small area around you.
                  | [potion of mutation]
169269 | Depths:3 | Gained mutation: Your flesh is cold resistant. (rC+)
                  | [potion of mutation]
169296 | Depths:3 | :12:03 zig in
169297 | Zig:1    | Entered Level 1 of a ziggurat
169349 | Zig:2    | Entered Level 2 of a ziggurat
169428 | Zig:3    | Entered Level 3 of a ziggurat
169428 | Zig:3    | Noticed an ancient lich
169428 | Zig:3    | Noticed an ancient lich
169428 | Zig:3    | Noticed a dread lich
169431 | Zig:3    | Killed a dread lich
169431 | Zig:3    | Killed an ancient lich
169431 | Zig:3    | Killed an ancient lich
169433 | Zig:3    | Noticed a dread lich
169439 | Zig:3    | Killed a dread lich
169525 | Zig:4    | Entered Level 4 of a ziggurat
169612 | Zig:4    | Identified the +6 spear of Disgust {flame, Int+2}
169648 | Zig:5    | Entered Level 5 of a ziggurat
169681 | Zig:5    | Identified the +8 scimitar of the Turnip {freeze, rC+}
169763 | Zig:6    | Entered Level 6 of a ziggurat
169763 | Zig:6    | Noticed an ancient lich
169770 | Zig:6    | Noticed an ancient lich
169771 | Zig:6    | Killed an ancient lich
169777 | Zig:6    | Killed an ancient lich
169919 | Zig:6    | Identified the +4 battleaxe of the Gloaming {freeze, rElec
                  | Stlth+}
169941 | Zig:7    | Entered Level 7 of a ziggurat
169955 | Zig:7    | Found the +2 shield of Resistance {rF++ rC++ Will++}
170021 | Zig:7    | Identified the ring "Mexoan" {rElec EV+5 Str+5 Int-2
                  | Slay-4}
170096 | Zig:8    | Entered Level 8 of a ziggurat
170096 | Zig:8    | Noticed a dread lich
170097 | Zig:8    | Noticed a dread lich
170098 | Zig:8    | Killed a dread lich
170098 | Zig:8    | Noticed an ancient lich
170099 | Zig:8    | Noticed an ancient lich
170099 | Zig:8    | Noticed an ancient lich
170100 | Zig:8    | Noticed an ancient lich
170100 | Zig:8    | Noticed a dread lich
170101 | Zig:8    | Killed a dread lich
170101 | Zig:8    | Killed an ancient lich
170101 | Zig:8    | Killed an ancient lich
170101 | Zig:8    | Noticed a dread lich
170102 | Zig:8    | Noticed a dread lich
170102 | Zig:8    | Noticed an ancient lich
170103 | Zig:8    | Noticed a dread lich
170103 | Zig:8    | Found the +8 frozen axe "Frostbite" {freeze, freezing
                  | cloud, *Noise Fly rC+}
170104 | Zig:8    | Killed an ancient lich
170104 | Zig:8    | Killed a dread lich
170104 | Zig:8    | Killed an ancient lich
170104 | Zig:8    | Killed a dread lich
170104 | Zig:8    | Killed a dread lich
170104 | Zig:8    | Killed an ancient lich
170105 | Zig:8    | Noticed an ancient lich
170107 | Zig:8    | Killed a dread lich
170112 | Zig:8    | Killed an ancient lich
170279 | Zig:9    | Entered Level 9 of a ziggurat
170513 | Zig:10   | Entered Level 10 of a ziggurat
170520 | Zig:10   | Noticed an ancient lich
170523 | Zig:10   | Killed an ancient lich
170661 | Zig:10   | Identified the +5 quarterstaff of Defiance {venom, Int+2
                  | Dex+4}
170702 | Zig:10   | Identified the +5 rapier of Hiomadag {flame, ^Fragile rPois
                  | Str+3}
170721 | Zig:10   | Identified the ring of Voamey {*Corrode Will+ AC+4 Str+3
                  | Dex+7}
170727 | Zig:10   | Identified the +6 orcbow "Iniufafu" {drain, rF+}
170730 | Zig:10   | Identified the ring "Ivuitaz" {Str+6 Dex+2}
170735 | Zig:10   | Identified the ring "Dalichuf" {rPois rC+ MP+9 Str-2
                  | Stlth+}
170759 | Zig:10   | Acquired 577 gold pieces
170761 | Zig:10   | Acquired 703 gold pieces
170769 | Zig:11   | Entered Level 11 of a ziggurat
170829 | Zig:11   | Identified the ring of Zoigunua {rPois AC+4 Int+4}
170841 | Zig:11   | Identified the ring "Poakkuca" {Str+3 Int+6 Slay+3}
171036 | Zig:12   | Entered Level 12 of a ziggurat
171036 | Zig:12   | Noticed an ancient lich
171036 | Zig:12   | Noticed a dread lich
171036 | Zig:12   | Noticed an ancient lich
171038 | Zig:12   | Noticed a dread lich
171039 | Zig:12   | Noticed a dread lich
171039 | Zig:12   | Noticed a dread lich
171039 | Zig:12   | Noticed a dread lich
171040 | Zig:12   | Killed an ancient lich
171040 | Zig:12   | Killed a dread lich
171040 | Zig:12   | Killed a dread lich
171040 | Zig:12   | Killed a dread lich
171040 | Zig:12   | Killed a dread lich
171040 | Zig:12   | Killed an ancient lich
171041 | Zig:12   | Noticed a dread lich
171041 | Zig:12   | Noticed an ancient lich
171041 | Zig:12   | Noticed a dread lich
171042 | Zig:12   | Noticed an ancient lich
171042 | Zig:12   | Killed a dread lich
171043 | Zig:12   | Killed an ancient lich
171043 | Zig:12   | Killed a dread lich
171043 | Zig:12   | Killed an ancient lich
171043 | Zig:12   | Noticed an ancient lich
171044 | Zig:12   | Noticed a dread lich
171044 | Zig:12   | Noticed a dread lich
171046 | Zig:12   | Killed a dread lich
171047 | Zig:12   | Noticed a dread lich
171047 | Zig:12   | Noticed an ancient lich
171048 | Zig:12   | Killed an ancient lich
171048 | Zig:12   | Killed a dread lich
171048 | Zig:12   | Killed a dread lich
171049 | Zig:12   | Killed an ancient lich
171051 | Zig:12   | Noticed a dread lich
171051 | Zig:12   | Killed a dread lich
171051 | Zig:12   | Killed a dread lich
171054 | Zig:12   | Noticed a dread lich
171054 | Zig:12   | Noticed a dread lich
171055 | Zig:12   | Killed a dread lich
171059 | Zig:12   | Killed a dread lich
171217 | Zig:12   | Identified the +4 pair of boots "Tiymoteh" {Dex+4}
171225 | Zig:12   | Identified the +5 spear "Kuogap" {freeze, Fly rElec Will+
                  | Dex+3}
171274 | Zig:13   | Entered Level 13 of a ziggurat
171283 | Zig:13   | Found the +8 autumn katana {manifold assault}
171285 | Zig:13   | Found the +2 pair of slick slippers {slick, slippery, EV+4}
171346 | Zig:13   | Identified the amulet "Jani" {Faith rElec rF+ Int+6}
171350 | Zig:13   | Identified the +5 morningstar of the Brewing Stork {drain,
                  | rC- rN+ Int+6}
171381 | Zig:13   | Identified the staff "Jycrosoq" {rF- Int+6 Conj}
171385 | Zig:13   | Identified the +2 chain mail "Muhamm" {Stlth+}
171389 | Zig:13   | Identified the +0 robe "Vuwak" {Harm}
171413 | Zig:13   | Identified the staff "Wyraqef" {rPois Will- Str-2 Conj
                  | Earth}
171414 | Zig:13   | Identified the +6 chain mail "Qounet" {Str-3 Int+2 Dex+7
                  | Stlth+}
171613 | Zig:14   | Entered Level 14 of a ziggurat
171613 | Zig:14   | Noticed a juggernaut
171613 | Zig:14   | Noticed a juggernaut
171613 | Zig:14   | Noticed a juggernaut
171614 | Zig:14   | Killed a juggernaut
171614 | Zig:14   | Killed a juggernaut
171614 | Zig:14   | Killed a juggernaut
171626 | Zig:14   | Noticed a juggernaut
171627 | Zig:14   | Noticed a juggernaut
171630 | Zig:14   | Killed a juggernaut
171632 | Zig:14   | Killed a juggernaut
171641 | Zig:14   | Identified the +8 short sword "Veyguhor" {distort, rF+
                  | Int+4}
171643 | Zig:14   | Identified the +1 pair of boots of Pride {rElec rF+ rCorr}
171963 | Zig:14   | Identified the +7 flail of Jefuak {venom, rF+ Str+4}
171976 | Zig:14   | Identified the staff of Cheibriados's Favour {rElec rPois
                  | Alchemy}
171988 | Zig:14   | Identified the staff "Emor" {^Contam rElec rN+++ Str-3 Air
                  | Earth}
172008 | Zig:14   | Identified the ring of the Kappa {+Blink rF+ Will+ rCorr
                  | Int+4}
172010 | Zig:14   | Identified the ring "Maehoc" {^Drain +Blink rN+ Will+
                  | Dex+3}
172033 | Zig:14   | Identified the +0 swamp dragon scales of Omikeq {Rampage
                  | rPois rF+}
172070 | Zig:15   | Entered Level 15 of a ziggurat
172086 | Zig:15   | Found the +3 crown of Dyrovepreva {rElec Int+2 SInv}
172122 | Zig:15   | Identified the +5 quarterstaff of Aplu {speed, Str+9 Int+3
                  | Dex-4 Stlth-}
172148 | Zig:15   | Identified the +9 rapier of the Shifting Goat {heavy, rCorr
                  | Str+2}
172523 | Zig:16   | Entered Level 16 of a ziggurat
172731 | Zig:16   | Identified the +1 scale mail of Vermicelli {+Blink rN+
                  | Int+2}
172743 | Zig:16   | Identified the +6 shortbow "Kobris" {drain, rElec Str+3}
172747 | Zig:16   | Identified the +2 battleaxe of Uncertain Death {flame, rC+}
172791 | Zig:17   | Entered Level 17 of a ziggurat
172805 | Zig:17   | Found the +3 pair of mountain boots {steadfast, rC+}
172808 | Zig:17   | Found the ring of the Octopus King
172821 | Zig:17   | Identified the +9 trident "Carug" {heavy, Will- rCorr MP+9
                  | Int+3 SInv}
172827 | Zig:17   | Identified the +2 helmet "Giewiq" {Will+}
172876 | Zig:17   | Identified a ring of the Octopus King {HP+2 MP+9 AC+2 EV+2
                  | SH+2}
172905 | Zig:17   | Identified the +5 mace of Saadearu {freeze, rPois Int+5}
172917 | Zig:17   | Identified the amulet of the Empty Page {Reflect rN+ Regen+
                  | Int+3 SH+5}
173151 | Zig:17   | Identified the +8 sling "Waydona" {antimagic, rF- Will+
                  | Str+4 Int+8}
173196 | Zig:18   | Entered Level 18 of a ziggurat
173511 | Zig:18   | Identified the ring of Cam Seyg {rC+ MP+9 Dex+3}
173522 | Zig:18   | Identified the staff of Might {+Blink rElec rF+ Fire}
173601 | Zig:18   | Identified the +5 short sword "Vuvatost" {pain, rPois Will+
                  | Int+2}
173631 | Zig:19   | Entered Level 19 of a ziggurat
173760 | Zig:19   | Identified the ring "Sicoh" {Fire *Slow rCorr Str-3 Int+7}
174151 | Zig:20   | Entered Level 20 of a ziggurat
174608 | Zig:20   | Identified the +1 leather armour "Naneral" {-Tele rC+ Str+3
                  | SInv}
174614 | Zig:20   | Identified the +5 shortbow of the Foremost Bounties {heavy,
                  | Fly rF+ MP+9 Int-3}
174707 | Zig:21   | Entered Level 21 of a ziggurat
174719 | Zig:21   | Noticed a dread lich
174722 | Zig:21   | Killed a dread lich
174839 | Zig:21   | Identified the +7 trident of Judgement {flame, rCorr}
174850 | Zig:21   | Identified the +11 bardiche "Eviscerator" {flame, rPois rF+
                  | Str+4}
174870 | Zig:21   | Identified the +7 hand axe of Tecash {flame, Will+}
174888 | Zig:21   | Identified the +0 mace "Rueted" {flame, Will+ Dex+3}
175100 | Zig:21   | Acquired 1135 gold pieces
175106 | Zig:22   | Entered Level 22 of a ziggurat
175106 | Zig:22   | Noticed a juggernaut
175106 | Zig:22   | Noticed a juggernaut
175106 | Zig:22   | Noticed a juggernaut
175106 | Zig:22   | Noticed a juggernaut
175106 | Zig:22   | Noticed a juggernaut
175106 | Zig:22   | Noticed a juggernaut
175106 | Zig:22   | Noticed a juggernaut
175107 | Zig:22   | Killed a juggernaut
175107 | Zig:22   | Killed a juggernaut
175107 | Zig:22   | Killed a juggernaut
175107 | Zig:22   | Killed a juggernaut
175107 | Zig:22   | Killed a juggernaut
175107 | Zig:22   | Killed a juggernaut
175108 | Zig:22   | Noticed a juggernaut
175108 | Zig:22   | Killed a juggernaut
175109 | Zig:22   | Noticed a juggernaut
175110 | Zig:22   | Noticed a juggernaut
175111 | Zig:22   | Killed a juggernaut
175111 | Zig:22   | Killed a juggernaut
175113 | Zig:22   | Noticed a juggernaut
175113 | Zig:22   | Noticed a juggernaut
175113 | Zig:22   | Noticed a juggernaut
175114 | Zig:22   | Killed a juggernaut
175117 | Zig:22   | Killed a juggernaut
175117 | Zig:22   | Killed a juggernaut
175117 | Zig:22   | Noticed a juggernaut
175118 | Zig:22   | Noticed a juggernaut
175120 | Zig:22   | Noticed a juggernaut
175120 | Zig:22   | Killed a juggernaut
175120 | Zig:22   | Killed a juggernaut
175120 | Zig:22   | Killed a juggernaut
175121 | Zig:22   | Noticed a juggernaut
175123 | Zig:22   | Killed a juggernaut
175123 | Zig:22   | Killed a juggernaut
175124 | Zig:22   | Noticed a juggernaut
175124 | Zig:22   | Noticed a juggernaut
175125 | Zig:22   | Noticed a juggernaut
175126 | Zig:22   | Killed a juggernaut
175127 | Zig:22   | Noticed a juggernaut
175128 | Zig:22   | Killed a juggernaut
175129 | Zig:22   | Killed a juggernaut
175129 | Zig:22   | Killed a juggernaut
175131 | Zig:22   | Found the sphere of Battle
175597 | Zig:22   | Identified the +12 halberd "Igagihov" {flame, rN+}
175683 | Zig:22   | Identified the +2 buckler "Exoxirudau" {+Blink Slay+3}
175691 | Zig:22   | Identified the +6 scale mail of Loss {rC+++ Regen+ rCorr
                  | Str-3}
175694 | Zig:22   | Identified the +5 battleaxe "Efir" {drain, *Noise rF+ Dex+4
                  | Stlth+}
175698 | Zig:22   | Identified the +0 dire flail of Vocaat {venom, rN+ SInv
                  | Stlth+}
175716 | Zig:22   | Identified the +7 long sword of the Eggplant {drain, rN+
                  | Int+3}
175728 | Zig:22   | Identified the +7 battleaxe of Amorality {venom, ^Drain
                  | Will+ rCorr Int+6}
175735 | Zig:22   | Identified the ring "Gilyulla" {rN+ Int+2}
175790 | Zig:23   | Entered Level 23 of a ziggurat
175813 | Zig:23   | Found the +4 robe of Folly {Brill Will-∞ Int+8}
175835 | Zig:23   | Identified the ring "Arphobap" {^Drain rF+ rN++}
175845 | Zig:23   | Identified the +0 helmet of the Grue {Harm rElec}
175853 | Zig:23   | Identified the ring "Juoz" {Fire ^Drain MP+9 SInv}
175868 | Zig:23   | Identified the staff of Accord {rElec rPois Alchemy}
175876 | Zig:23   | Identified the amulet of Makhleb's Envy {RegenMP rC+}
175882 | Zig:23   | Identified the +1 scale mail of Insurance {Rampage rPois}
175884 | Zig:23   | Identified the +11 rapier of Freehold {flame, Will+ Int+2}
175885 | Zig:23   | Identified the +5 orcbow "Ultimatum" {drain, rElec Str+2
                  | Int+3 Dex-3}
175891 | Zig:23   | Identified the +4 long sword of the Lair of Beasts {venom,
                  | *Noise SInv Stlth+}
175939 | Zig:23   | Identified the amulet of the Mutiny {-Cast rPois rF++
                  | Will+++ Regen+}
176239 | Zig:23   | Identified the +2 robe of the Shore {rElec rN+ Stlth-}
176257 | Zig:23   | Identified the +2 bardiche of Gios {flame, Will+}
176370 | Zig:24   | Entered Level 24 of a ziggurat
176375 | Zig:24   | Noticed an ancient lich
176376 | Zig:24   | Noticed an ancient lich
176376 | Zig:24   | Noticed an ancient lich
176377 | Zig:24   | Killed an ancient lich
176377 | Zig:24   | Noticed an ancient lich
176378 | Zig:24   | Noticed an ancient lich
176378 | Zig:24   | Noticed an ancient lich
176379 | Zig:24   | Killed an ancient lich
176379 | Zig:24   | Killed an ancient lich
176380 | Zig:24   | Killed an ancient lich
176380 | Zig:24   | Killed an ancient lich
176381 | Zig:24   | Noticed an ancient lich
176381 | Zig:24   | Noticed an ancient lich
176382 | Zig:24   | Killed an ancient lich
176383 | Zig:24   | Noticed an ancient lich
176384 | Zig:24   | Noticed an ancient lich
176384 | Zig:24   | Killed an ancient lich
176384 | Zig:24   | Killed an ancient lich
176384 | Zig:24   | Killed an ancient lich
176384 | Zig:24   | Killed an ancient lich
176387 | Zig:24   | Noticed an ancient lich
176389 | Zig:24   | Noticed an ancient lich
176390 | Zig:24   | Noticed an ancient lich
176390 | Zig:24   | Killed an ancient lich
176392 | Zig:24   | Killed an ancient lich
176392 | Zig:24   | Killed an ancient lich
176393 | Zig:24   | Noticed an ancient lich
176393 | Zig:24   | Noticed an ancient lich
176396 | Zig:24   | Killed an ancient lich
176396 | Zig:24   | Killed an ancient lich
176397 | Zig:24   | Found the +7 sceptre of Torment {pain, torment}
176399 | Zig:24   | Noticed an ancient lich
176401 | Zig:24   | Killed an ancient lich
176729 | Zig:24   | Identified the +3 troll leather armour of the Monk {Rampage
                  | +Inv rElec Regen+}
176741 | Zig:24   | Identified the +8 sling of Callousness {flame, rElec rF+
                  | Int-2 Dex+2}
176751 | Zig:24   | Identified the +7 chain mail "Ninoch" {rF+}
176800 | Zig:24   | Identified the staff "Killer Klown's Peril" {rF+ SInv Summ
                  | Fire}
176812 | Zig:24   | Identified the +3 arbalest "Nofeudy" {antimagic, rF+ Dex+3}
176827 | Zig:24   | Identified the +6 short sword "Birr" {venom, rElec Str+5}
176880 | Zig:25   | Entered Level 25 of a ziggurat
176913 | Abyss:7  | Entered Level 7 of the Abyss
176913 | Abyss:7  | Cast into level 7 of the Abyss (unwielding a weapon of
                  | distortion)
176941 | Zig:25   | Escaped the Abyss
176953 | Zig:25   | Noticed Telogof the pandemonium lord
176984 | Zig:25   | Killed Telogof the pandemonium lord
177306 | Zig:25   | Identified the +3 leather armour "Kovvoid" {-Tele rC+ rN+
                  | Dex+3}
177308 | Zig:25   | Identified the staff of the Valley of Death {rPois Str+8
                  | Int-5 Hexes Earth Alchemy}
177313 | Zig:25   | Identified the -2 helmet of Monotheism {^Contam rPois Int-4
                  | SInv}
177316 | Zig:25   | Identified the +3 leather armour of Zotreyrph {rElec rF+}
177318 | Zig:25   | Identified the +0 leather armour "Awurr" {rPois Dex+5}
177337 | Zig:25   | Identified the +2 robe "Hyuw" {Int+3}
177370 | Zig:26   | Entered Level 26 of a ziggurat
177396 | Zig:26   | Found the +7 great mace "Firestarter" {flame, immolate,
                  | rFlCloud rF++}
177696 | Zig:26   | Identified the staff of the Jolly Yaks {rN+ Int+3 Earth}
177710 | Zig:26   | Identified the +2 hat of the Evening {rPois Str-5 Dex+3}
177716 | Zig:26   | Identified the +4 orcbow "Xusoff" {flame, rElec rC+ Will+
                  | Dex+4}
177773 | Zig:26   | Identified the +0 pair of boots "Hyiff" {rC- Dex+2 Slay+3}
177783 | Zig:26   | Identified the +8 sling of Qazlal's Envy {drain, Str+4}
177799 | Zig:26   | Identified the ring "Gulaonid" {Fly rC+ rN+ Stlth+}
177824 | Zig:26   | Identified the +2 mace of the Wilderness {heavy, rElec
                  | Int+5}
177826 | Zig:26   | Identified the +6 scimitar of Temperance {pain, rF- Str+4
                  | Dex+2}
177830 | Zig:26   | Identified the +6 war axe of Tosafef {vamp, rCorr Int+3
                  | Stlth+}
177845 | Zig:26   | Identified the +9 war axe of Breach {vamp, Fly Str+2 Int+3}
177846 | Zig:26   | Identified the +4 mace of the Shimmering Gods {flame, rC+
                  | Dex+3}
177907 | Zig:26   | Identified the +7 lajatang of Alifageq {heavy, *Corrode
                  | rC+++ Str+4 Dex+2}
177921 | Zig:26   | Identified the +3 ring mail of the Abyss {*Corrode rElec
                  | rPois Str+4}
178011 | Zig:27   | Entered Level 27 of a ziggurat
178014 | Zig:27   | Noticed Oruco the pandemonium lord
178014 | Zig:27   | Noticed Zutiatsa the pandemonium lord
178015 | Zig:27   | Noticed Toxawoing the pandemonium lord
178015 | Zig:27   | Noticed Onecvani the pandemonium lord
178016 | Zig:27   | Noticed Geguoz Niesa the pandemonium lord
178016 | Zig:27   | Noticed Emiuxzai the pandemonium lord
178017 | Zig:27   | Killed Feonnuxt the pandemonium lord
178018 | Zig:27   | Killed Toxawoing the pandemonium lord
178018 | Zig:27   | Noticed Daoriafech the pandemonium lord
178019 | Zig:27   | Killed Onecvani the pandemonium lord
178019 | Zig:27   | Killed Geguoz Niesa the pandemonium lord
178019 | Zig:27   | Killed Emiuxzai the pandemonium lord
178019 | Zig:27   | Noticed Litaj the pandemonium lord
178019 | Zig:27   | Noticed Xisetas the pandemonium lord
178019 | Zig:27   | Noticed Moloefi the pandemonium lord
178020 | Zig:27   | Noticed Ixidepnu the pandemonium lord
178020 | Zig:27   | Noticed Redoleoq the pandemonium lord
178021 | Zig:27   | Noticed Soninul the pandemonium lord
178021 | Zig:27   | Killed Zutiatsa the pandemonium lord
178021 | Zig:27   | Noticed Ehasotiy the pandemonium lord
178022 | Zig:27   | Killed Daoriafech the pandemonium lord
178022 | Zig:27   | Killed Oruco the pandemonium lord
178022 | Zig:27   | Noticed Odey the pandemonium lord
178023 | Zig:27   | Noticed Weug the pandemonium lord
178025 | Zig:27   | Killed Xisetas the pandemonium lord
178025 | Zig:27   | Killed Redoleoq the pandemonium lord
178025 | Zig:27   | Killed Moloefi the pandemonium lord
178025 | Zig:27   | Killed Litaj the pandemonium lord
178025 | Zig:27   | Noticed Kanitta the pandemonium lord
178025 | Zig:27   | Noticed Odydwe the pandemonium lord
178026 | Zig:27   | Killed Ixidepnu the pandemonium lord
178026 | Zig:27   | Noticed Fyntas Nuaf the pandemonium lord
178026 | Zig:27   | Noticed Zohyep the pandemonium lord
178026 | Zig:27   | Noticed Ovirent the pandemonium lord
178028 | Zig:27   | Noticed Buskople the pandemonium lord
178028 | Zig:27   | Killed Soninul the pandemonium lord
178028 | Zig:27   | Killed Weug the pandemonium lord
178028 | Zig:27   | Noticed Neehasi the pandemonium lord
178028 | Zig:27   | Noticed Koadom the pandemonium lord
178029 | Zig:27   | Noticed Okeytsanua the pandemonium lord
178030 | Zig:27   | Noticed Watead the pandemonium lord
178030 | Zig:27   | Killed Kanitta the pandemonium lord
178030 | Zig:27   | Noticed Fioqaq the pandemonium lord
178031 | Zig:27   | Killed Zohyep the pandemonium lord
178031 | Zig:27   | Killed Ovirent the pandemonium lord
178031 | Zig:27   | Noticed Buph the pandemonium lord
178032 | Zig:27   | Killed Neehasi the pandemonium lord
178032 | Zig:27   | Killed Buskople the pandemonium lord
178033 | Zig:27   | Killed Ehasotiy the pandemonium lord
178033 | Zig:27   | Killed Buph the pandemonium lord
178033 | Zig:27   | Killed Okeytsanua the pandemonium lord
178034 | Zig:27   | Killed Fyntas Nuaf the pandemonium lord
178034 | Zig:27   | Killed Watead the pandemonium lord
178034 | Zig:27   | Killed Odydwe the pandemonium lord
178034 | Zig:27   | Noticed Nulloaxe the pandemonium lord
178034 | Zig:27   | Noticed Meavoijihu the pandemonium lord
178035 | Zig:27   | Noticed Jobop the pandemonium lord
178035 | Zig:27   | Noticed Banlirul the pandemonium lord
178035 | Zig:27   | Noticed Ahudu the pandemonium lord
178035 | Zig:27   | Noticed Coihang the pandemonium lord
178035 | Zig:27   | Noticed Syfahece the pandemonium lord
178036 | Zig:27   | Killed Koadom the pandemonium lord
178036 | Zig:27   | Killed Fioqaq the pandemonium lord
178036 | Zig:27   | Killed Odey the pandemonium lord
178036 | Zig:27   | Noticed Biuta the pandemonium lord
178037 | Zig:27   | Killed Syfahece the pandemonium lord
178037 | Zig:27   | Noticed Irets the pandemonium lord
178037 | Zig:27   | Noticed Hagyzeir the pandemonium lord
178038 | Zig:27   | Noticed Ececeax the pandemonium lord
178038 | Zig:27   | Killed Coihang the pandemonium lord
178038 | Zig:27   | Killed Jobop the pandemonium lord
178038 | Zig:27   | Noticed Ruwum the pandemonium lord
178038 | Zig:27   | Killed Irets the pandemonium lord
178039 | Zig:27   | Killed Banlirul the pandemonium lord
178039 | Zig:27   | Killed Meavoijihu the pandemonium lord
178039 | Zig:27   | Killed Ececeax the pandemonium lord
178039 | Zig:27   | Noticed Fenkakhle the pandemonium lord
178039 | Zig:27   | Noticed Jiemask the pandemonium lord
178040 | Zig:27   | Killed Ruwum the pandemonium lord
178040 | Zig:27   | Noticed Uryosec the pandemonium lord
178040 | Zig:27   | Noticed Boadatab the pandemonium lord
178041 | Zig:27   | Noticed Aneuriap the pandemonium lord
178041 | Zig:27   | Noticed Vaikesirgh the pandemonium lord
178042 | Zig:27   | Noticed Mellaorio the pandemonium lord
178043 | Zig:27   | Noticed Hameip the pandemonium lord
178043 | Zig:27   | Noticed Lyry the pandemonium lord
178043 | Zig:27   | Killed Ahudu the pandemonium lord
178043 | Zig:27   | Killed Fenkakhle the pandemonium lord
178043 | Zig:27   | Killed Hagyzeir the pandemonium lord
178043 | Zig:27   | Killed Vaikesirgh the pandemonium lord
178043 | Zig:27   | Noticed Zutiobol the pandemonium lord
178044 | Zig:27   | Killed Jiemask the pandemonium lord
178044 | Zig:27   | Killed Nulloaxe the pandemonium lord
178044 | Zig:27   | Noticed Irroiczo the pandemonium lord
178044 | Zig:27   | Noticed Tionaly the pandemonium lord
178044 | Zig:27   | Noticed Zamaacvy the pandemonium lord
178045 | Zig:27   | Killed Mellaorio the pandemonium lord
178046 | Zig:27   | Killed Zutiobol the pandemonium lord
178046 | Zig:27   | Killed Hameip the pandemonium lord
178046 | Zig:27   | Noticed Zeugoez the pandemonium lord
178047 | Zig:27   | Noticed Huvybu the pandemonium lord
178047 | Zig:27   | Noticed Esobb the pandemonium lord
178048 | Zig:27   | Killed Biuta the pandemonium lord
178048 | Zig:27   | Killed Tionaly the pandemonium lord
178048 | Zig:27   | Killed Boadatab the pandemonium lord
178048 | Zig:27   | Killed Zeugoez the pandemonium lord
178048 | Zig:27   | Noticed Nafal the pandemonium lord
178048 | Zig:27   | Noticed Agucyuzo the pandemonium lord
178049 | Zig:27   | Killed Irroiczo the pandemonium lord
178049 | Zig:27   | Killed Aneuriap the pandemonium lord
178049 | Zig:27   | Killed Lyry the pandemonium lord
178050 | Zig:27   | Killed Zamaacvy the pandemonium lord
178050 | Zig:27   | Killed Uryosec the pandemonium lord
178050 | Zig:27   | Noticed Gesur the pandemonium lord
178051 | Zig:27   | Noticed Mofuq the pandemonium lord
178051 | Zig:27   | Killed Huvybu the pandemonium lord
178051 | Zig:27   | Noticed Ogicong the pandemonium lord
178051 | Zig:27   | Noticed Sukehean the pandemonium lord
178053 | Zig:27   | Noticed Upeinatt the pandemonium lord
178053 | Zig:27   | Noticed Xipurup the pandemonium lord
178053 | Zig:27   | Noticed Nevao the pandemonium lord
178053 | Zig:27   | Noticed Cofesyps the pandemonium lord
178054 | Zig:27   | Noticed Leso Ammaero the pandemonium lord
178054 | Zig:27   | Noticed Xaifeor the pandemonium lord
178055 | Zig:27   | Killed Esobb the pandemonium lord
178055 | Zig:27   | Killed Mofuq the pandemonium lord
178055 | Zig:27   | Noticed Koarolue the pandemonium lord
178056 | Zig:27   | Killed Xaifeor the pandemonium lord
178056 | Zig:27   | Noticed Situshru the pandemonium lord
178057 | Zig:27   | Killed Cofesyps the pandemonium lord
178058 | Zig:27   | Killed Nafal the pandemonium lord
178058 | Zig:27   | Killed Gesur the pandemonium lord
178058 | Zig:27   | Noticed Amnitexe the pandemonium lord
178059 | Zig:27   | Killed Sukehean the pandemonium lord
178059 | Zig:27   | Killed Agucyuzo the pandemonium lord
178059 | Zig:27   | Noticed Ydagg the pandemonium lord
178060 | Zig:27   | Killed Leso Ammaero the pandemonium lord
178060 | Zig:27   | Killed Nevao the pandemonium lord
178060 | Zig:27   | Killed Upeinatt the pandemonium lord
178060 | Zig:27   | Killed Situshru the pandemonium lord
178060 | Zig:27   | Killed Xipurup the pandemonium lord
178060 | Zig:27   | Noticed Ruihus the pandemonium lord
178060 | Zig:27   | Noticed Agan the pandemonium lord
178063 | Zig:27   | Noticed Lemina Tairr the pandemonium lord
178063 | Zig:27   | Noticed Tufigirch the pandemonium lord
178063 | Zig:27   | Noticed Rewouc the pandemonium lord
178064 | Zig:27   | Killed Koarolue the pandemonium lord
178064 | Zig:27   | Killed Ogicong the pandemonium lord
178065 | Zig:27   | Killed Rewouc the pandemonium lord
178065 | Zig:27   | Killed Osuhed the pandemonium lord
178066 | Zig:27   | Killed Agan the pandemonium lord
178066 | Zig:27   | Killed Ruihus the pandemonium lord
178066 | Zig:27   | Noticed Faexousk the pandemonium lord
178068 | Zig:27   | Killed Amnitexe the pandemonium lord
178068 | Zig:27   | Noticed Cuoruwnoo the pandemonium lord
178068 | Zig:27   | Noticed Ithrah the pandemonium lord
178069 | Zig:27   | Killed Tufigirch the pandemonium lord
178069 | Zig:27   | Noticed Nayss the pandemonium lord
178069 | Zig:27   | Noticed Kucetues the pandemonium lord
178069 | Zig:27   | Noticed Udymo the pandemonium lord
178070 | Zig:27   | Killed Faexousk the pandemonium lord
178070 | Zig:27   | Noticed Ruelug the pandemonium lord
178071 | Zig:27   | Killed Lemina Tairr the pandemonium lord
178071 | Zig:27   | Killed Ithrah the pandemonium lord
178071 | Zig:27   | Killed Kucetues the pandemonium lord
178071 | Zig:27   | Noticed Ygyoroa the pandemonium lord
178072 | Zig:27   | Killed Ruelug the pandemonium lord
178072 | Zig:27   | Killed Nayss the pandemonium lord
178072 | Zig:27   | Noticed Ehicuats the pandemonium lord
178073 | Zig:27   | Killed Udymo the pandemonium lord
178074 | Zig:27   | Killed Cuoruwnoo the pandemonium lord
178075 | Zig:27   | Killed Ydagg the pandemonium lord
178075 | Zig:27   | Killed Ehicuats the pandemonium lord
178075 | Zig:27   | Noticed Pakyd the pandemonium lord
178078 | Zig:27   | Noticed Xefyrano the pandemonium lord
178080 | Zig:27   | Killed Xefyrano the pandemonium lord
178080 | Zig:27   | Killed Ygyoroa the pandemonium lord
178081 | Zig:27   | Killed Pakyd the pandemonium lord
178083 | Zig:27   | Noticed Muteh the pandemonium lord
178083 | Zig:27   | Noticed Umigo the pandemonium lord
178084 | Zig:27   | Killed Muteh the pandemonium lord
178085 | Zig:27   | Noticed Xiunasm the pandemonium lord
178087 | Zig:27   | Killed Xiunasm the pandemonium lord
178088 | Zig:27   | Noticed Sagikymo the pandemonium lord
178089 | Zig:27   | Killed Umigo the pandemonium lord
178092 | Zig:27   | Killed Sagikymo the pandemonium lord
178379 | Zig:27   | Identified the +5 trident "Qynuttamn" {freeze, rCorr}
178381 | Zig:27   | Identified the +1 dagger "Eciex" {flame, rC+ Str-2 Int+2
                  | SInv}
178385 | Zig:27   | Identified the +1 rapier "Doamnin" {freeze, *Rage ^Drain
                  | Will+++ SInv}
178387 | Zig:27   | Identified the +9 rapier "Gargoyle's Peril" {venom,
                  | ^Fragile rElec rC+++ Str-3}
178393 | Zig:27   | Identified the staff of Tomorrow {Dex+4 Conj}
178410 | Zig:27   | Acquired 748 gold pieces
178411 | Zig:27   | Acquired the scarf "Fehari Jetoa" {repulsion, Rampage}
178426 | Zig:27   | Identified the amulet of Renkusoar {Fly Regen+ Slay+3}
178427 | Zig:27   | Identified the +2 broad axe "Grim Tooth" {venom, Str+3}
178443 | Zig:27   | Identified the +7 great sword of the Meager God {protect,
                  | Will+}
178491 | Depths:3 | :12:54 zig end
178643 | Zig:1    | Entered Level 1 of a ziggurat
178665 | Zig:1    | Identified the +2 scale mail of Past Mistakes {Int+5}
178677 | Zig:1    | :12:57 zig start
178678 | Zig:2    | Entered Level 2 of a ziggurat
178742 | Zig:3    | Entered Level 3 of a ziggurat
178742 | Zig:3    | Noticed a royal mummy
178742 | Zig:3    | Noticed a royal mummy
178743 | Zig:3    | Killed a royal mummy
178746 | Zig:3    | Killed a royal mummy
178866 | Zig:4    | Entered Level 4 of a ziggurat
178944 | Zig:4    | Identified the +8 orcbow of the Salmon {heavy, Str+8}
178978 | Zig:4    | Identified the staff "Kuhiymp" {rElec rC- Will- Conj Necro
                  | Air}
179009 | Zig:5    | Entered Level 5 of a ziggurat
179009 | Zig:5    | Noticed Xerrucod the pandemonium lord
179009 | Zig:5    | Noticed Lev Lek the pandemonium lord
179009 | Zig:5    | Noticed Iseuplou the pandemonium lord
179010 | Zig:5    | Killed Xerrucod the pandemonium lord
179011 | Zig:5    | Noticed Eseile Uxtee the pandemonium lord
179012 | Zig:5    | Killed Iseuplou the pandemonium lord
179012 | Zig:5    | Killed Lev Lek the pandemonium lord
179013 | Zig:5    | Killed Eseile Uxtee the pandemonium lord
179013 | Zig:5    | Noticed Anyceo the pandemonium lord
179014 | Zig:5    | Killed Anyceo the pandemonium lord
179016 | Zig:5    | Noticed Sealuruxt the pandemonium lord
179017 | Zig:5    | Noticed Lebel the pandemonium lord
179017 | Zig:5    | Noticed Gupnoorgh the pandemonium lord
179017 | Zig:5    | Noticed Boopsys the pandemonium lord
179019 | Zig:5    | Killed Gupnoorgh the pandemonium lord
179020 | Zig:5    | Noticed Ovik the pandemonium lord
179021 | Zig:5    | Killed Boopsys the pandemonium lord
179023 | Zig:5    | Killed Lebel the pandemonium lord
179023 | Zig:5    | Killed Ovik the pandemonium lord
179024 | Zig:5    | Killed Sealuruxt the pandemonium lord
179084 | Zig:5    | Identified the +0 pair of gloves "Nysof" {-Tele Harm rF+}
179085 | Zig:5    | Identified the ring "Potuyzol" {rCorr MP+9}
179091 | Zig:5    | Identified the +2 robe "Zuhiz" {^Drain +Blink Str+8}
179169 | Zig:6    | Entered Level 6 of a ziggurat
179277 | Zig:6    | Identified the +3 leather armour "Ovydot" {^Drain rElec
                  | Str+2 Int+4}
179285 | Zig:6    | Identified the +2 rapier of Famine {heavy, ^Drain MP+9
                  | Dex+4 SInv}
179311 | Zig:7    | Entered Level 7 of a ziggurat
179313 | Zig:7    | Noticed an ancient lich
179313 | Zig:7    | Noticed an ancient lich
179313 | Zig:7    | Noticed an ancient lich
179313 | Zig:7    | Noticed an ancient lich
179313 | Zig:7    | Noticed an ancient lich
179313 | Zig:7    | Noticed an ancient lich
179314 | Zig:7    | Noticed a dread lich
179314 | Zig:7    | Noticed a dread lich
179315 | Zig:7    | Killed an ancient lich
179315 | Zig:7    | Killed a dread lich
179316 | Zig:7    | Killed an ancient lich
179316 | Zig:7    | Killed an ancient lich
179316 | Zig:7    | Killed a dread lich
179316 | Zig:7    | Noticed a dread lich
179317 | Zig:7    | Noticed a dread lich
179317 | Zig:7    | Killed an ancient lich
179318 | Zig:7    | Noticed a dread lich
179318 | Zig:7    | Noticed a dread lich
179319 | Zig:7    | Noticed a dread lich
179319 | Zig:7    | Killed an ancient lich
179319 | Zig:7    | Killed an ancient lich
179319 | Zig:7    | Killed a dread lich
179319 | Zig:7    | Killed a dread lich
179319 | Zig:7    | Killed a dread lich
179319 | Zig:7    | Killed a dread lich
179319 | Zig:7    | Killed a dread lich
179381 | Zig:7    | Identified the ring of Myestrai {rF+ EV+5 SInv}
179474 | Zig:8    | Entered Level 8 of a ziggurat
179474 | Zig:8    | Noticed a juggernaut
179474 | Zig:8    | Noticed a juggernaut
179474 | Zig:8    | Noticed a juggernaut
179474 | Zig:8    | Noticed a juggernaut
179474 | Zig:8    | Noticed a juggernaut
179474 | Zig:8    | Noticed a juggernaut
179475 | Zig:8    | Killed a juggernaut
179475 | Zig:8    | Killed a juggernaut
179475 | Zig:8    | Killed a juggernaut
179475 | Zig:8    | Killed a juggernaut
179476 | Zig:8    | Noticed a juggernaut
179477 | Zig:8    | Noticed a juggernaut
179478 | Zig:8    | Killed a juggernaut
179478 | Zig:8    | Killed a juggernaut
179479 | Zig:8    | Noticed a juggernaut
179480 | Zig:8    | Killed a juggernaut
179480 | Zig:8    | Killed a juggernaut
179482 | Zig:8    | Killed a juggernaut
179737 | Zig:8    | Identified the +8 dagger of the Vestibule of Hell {speed,
                  | rPois}
179760 | Zig:8    | Identified the +1 orcbow "Ihaqiwn" {antimagic, rPois}
179774 | Zig:8    | Identified the ring of Zir Fou {rN+++ Will- rCorr Str+6
                  | Int-5}
179789 | Zig:8    | Identified the staff of Woipp {^Drain rPois Int+5 Alchemy}
179828 | Zig:9    | Entered Level 9 of a ziggurat
179880 | Zig:9    | Identified the +6 broad axe of Res Ipsa Loquitur {freeze,
                  | rF+ Will+ Str+3 Stlth-}
179886 | Zig:9    | Identified the +3 plate armour "Seap" {Fly Str-4 Int+2}
179899 | Zig:9    | Identified the +2 war axe "Spiderslayer" {vamp, rElec rC-
                  | Int+7 Dex-2}
180066 | Zig:10   | Entered Level 10 of a ziggurat
180069 | Zig:10   | Noticed a dread lich
180072 | Zig:10   | Killed a dread lich
180210 | Zig:10   | Identified the +7 lajatang of Blue Purpose {flame, rElec
                  | rN+}
180250 | Zig:10   | Identified the staff "Wihalirr" {rN+ Int+3 Dex-5 Stlth+
                  | Necro}
180262 | Zig:10   | Identified the +6 halberd "Puwy" {flame, MP+9}
180265 | Zig:10   | Identified the staff "Joqoddu" {rC+ Str+4 Stlth+ Earth
                  | Alchemy}
180267 | Zig:10   | Identified the +7 hand axe "Goejahal" {spect, Int+4}
180316 | Zig:10   | Identified the +7 hand axe "Aretseuf" {elec, Dex+3}
180345 | Zig:11   | Entered Level 11 of a ziggurat
180446 | Zig:11   | Identified the ring of Cyimim {rN++ rCorr}
180451 | Zig:11   | Identified the ring "Iczaorghi" {rF- MP+9 AC+4 SInv}
180455 | Zig:11   | Identified the +3 leather armour of the Dungeon {Harm
                  | Regen+ Slay-4}
180581 | Zig:12   | Entered Level 12 of a ziggurat
180819 | Zig:12   | Identified the +10 broad axe of Infection {holy, rF+ Will-
                  | Str+3 SInv}
180827 | Zig:12   | Identified the ring of Wareon {Wiz rN+}
180933 | Zig:13   | Entered Level 13 of a ziggurat
180937 | Zig:13   | Noticed an ancient lich
180946 | Zig:13   | Killed an ancient lich
181048 | Zig:13   | Found the ring of the Octopus King
181193 | Zig:13   | Identified a ring of the Octopus King {Wiz HP+2 AC+2 EV+2
                  | SH+2}
181200 | Zig:13   | Identified the staff "Munoll" {rPois rC+ Str+3 Hexes
                  | Alchemy}
181206 | Zig:13   | Identified the +0 longbow of Dyhuesch {elec, *Corrode
                  | Str+3}
181208 | Zig:13   | Identified the +3 scimitar of the Six Wonders {flame, Fly
                  | rPois rF+ rCorr}
181220 | Zig:13   | Identified the +9 arbalest "Rebas" {heavy, rF+ rC++ Will-
                  | rCorr}
181221 | Zig:13   | Identified the ring "Uxkemm" {Wiz ^Drain Fly Int+5}
181223 | Zig:13   | Identified the ring of Nematoz {Fly rF++}
181241 | Zig:13   | Acquired the ring of Ezoomum {^Drain rF+++ EV+5 Str+3
                  | Dex+4}
181243 | Zig:13   | Acquired 882 gold pieces
181253 | Zig:14   | Entered Level 14 of a ziggurat
181423 | Zig:14   | Identified the ring "Ceneng" {Ice rN+ rCorr Int-5}
181478 | Zig:14   | Identified the +0 troll leather armour "Xistyhe" {rC+
                  | Regen+ Int+4 Stlth+}
181484 | Zig:14   | Identified the staff "Tucwys" {rN+ rCorr Conj Necro}
181629 | Zig:15   | Entered Level 15 of a ziggurat
181652 | Zig:15   | Found the +1 Delatra's gloves {ID++}
181697 | Zig:15   | Identified the +3 quarterstaff "Glorpo" {protect, rPois rN+
                  | Str+3}
181709 | Zig:15   | Identified the +9 orcbow "Sulag" {freeze, rPois Int+3
                  | Dex+4}
181712 | Zig:15   | Identified the +10 orcbow of Lust {flame, Fly rF- rCorr
                  | Dex+9}
181748 | Zig:15   | Identified the staff "Ussey" {rC+ Will+ Stlth- Conj Ice}
181757 | Zig:15   | Identified the ring of Xukloosa {rElec rC+++ rCorr Str-4
                  | Stlth-}
181801 | Zig:15   | Identified the +1 spear of Melee {drain, *Corrode rPois
                  | Int+7 Stlth-}
181803 | Zig:15   | Identified the +5 long sword "Tifom" {flame, *Noise Will+
                  | Int+4}
182099 | Zig:16   | Entered Level 16 of a ziggurat
182125 | Zig:16   | Found the +3 greatsling "Punk" {acid, rCorr}
182127 | Zig:16   | Found the +9 sword of Zonguldrok {reap}
182260 | Zig:16   | Identified the +1 mace of the Wasp {holy, *Rage rPois rF+}
182262 | Zig:16   | Identified the ring "Imod" {Str-5 Int+3 Dex+6 Stlth+}
182362 | Zig:16   | Identified the ring "Nodiwk" {rPois rC+ Int+4}
182364 | Zig:16   | Identified the ring "Sonaos" {^Contam Will++ Str+2 Int+6
                  | Dex-2}
182396 | Zig:16   | Identified the amulet of the Bursting Priest {Reflect Int+4
                  | SH+5}
182441 | Zig:16   | Identified the +9 dagger "Qituesyu" {flame, Str+3 Dex+3}
182455 | Zig:16   | Identified the +6 falchion "Sarcophage" {heavy, rN+ Str+7
                  | Int-4 Dex+2}
182456 | Zig:16   | Identified the ring "Qetekou" {rElec rN++ Slay-3 SInv}
182584 | Zig:16   | Learned a level 8 spell: Discord
182598 | Zig:17   | Entered Level 17 of a ziggurat
182631 | Zig:17   | Noticed Noramest the pandemonium lord
182638 | Zig:17   | Killed Noramest the pandemonium lord
182706 | Zig:17   | Found the +8 arc blade {discharge, rElec}
182788 | Zig:17   | Identified the ring "Qateps" {Wiz Will+ Str+3 Dex-5}
182794 | Zig:17   | Identified the staff of Laceration {Fly rElec rPois rF+
                  | Int+3 Stlth- Alchemy}
182805 | Zig:17   | Identified the flux talisman of Vonextich {Dex+3}
182812 | Zig:17   | Identified the +8 triple sword of Pestilence {heavy, *Rage
                  | Int+6 Dex+3 SInv}
182818 | Zig:17   | Identified the ring of Uskayaw's Indignation {rPois rC+
                  | Will+ Str+3 Dex+6}
182820 | Zig:17   | Identified the ring "Tuats" {Fire *Slow rElec Will+++ Str+5
                  | Dex-2}
182821 | Zig:17   | Identified the +2 ring mail of Eternal Vigilance {rPois
                  | rCorr Dex-3}
183008 | Zig:18   | Entered Level 18 of a ziggurat
183018 | Zig:18   | Noticed Ciovot the pandemonium lord
183018 | Zig:18   | Noticed Situu the pandemonium lord
183018 | Zig:18   | Noticed Eqaxt the pandemonium lord
183018 | Zig:18   | Noticed Uxzinafo the pandemonium lord
183018 | Zig:18   | Noticed Teuqoid the pandemonium lord
183019 | Zig:18   | Noticed Ficyuniss the pandemonium lord
183019 | Zig:18   | Noticed Bosahol the pandemonium lord
183019 | Zig:18   | Noticed Vuosm the pandemonium lord
183019 | Zig:18   | Noticed Wuesetzu the pandemonium lord
183019 | Zig:18   | Noticed Coebb the pandemonium lord
183020 | Zig:18   | Noticed Oseusho the pandemonium lord
183020 | Zig:18   | Killed Uxzinafo the pandemonium lord
183020 | Zig:18   | Killed Vuosm the pandemonium lord
183020 | Zig:18   | Noticed Ykef Biynky the pandemonium lord
183021 | Zig:18   | Noticed Topa the pandemonium lord
183021 | Zig:18   | Killed Situu the pandemonium lord
183021 | Zig:18   | Killed Bosahol the pandemonium lord
183022 | Zig:18   | Killed Eqaxt the pandemonium lord
183022 | Zig:18   | Killed Coebb the pandemonium lord
183022 | Zig:18   | Killed Wuesetzu the pandemonium lord
183022 | Zig:18   | Killed Oseusho the pandemonium lord
183022 | Zig:18   | Noticed Ufiuh the pandemonium lord
183022 | Zig:18   | Noticed Kocyak the pandemonium lord
183023 | Zig:18   | Noticed Lyxukhlu the pandemonium lord
183023 | Zig:18   | Noticed Rine the pandemonium lord
183023 | Zig:18   | Noticed Ithullac the pandemonium lord
183024 | Zig:18   | Killed Ufiuh the pandemonium lord
183024 | Zig:18   | Noticed Cerasop the pandemonium lord
183024 | Zig:18   | Noticed Mesig the pandemonium lord
183025 | Zig:18   | Killed Teuqoid the pandemonium lord
183025 | Zig:18   | Noticed Gycehyul the pandemonium lord
183027 | Zig:18   | Killed Lyxukhlu the pandemonium lord
183027 | Zig:18   | Killed Ciovot the pandemonium lord
183027 | Zig:18   | Killed Rine the pandemonium lord
183027 | Zig:18   | Noticed Gedui the pandemonium lord
183028 | Zig:18   | Killed Ithullac the pandemonium lord
183028 | Zig:18   | Killed Mesig the pandemonium lord
183028 | Zig:18   | Killed Kocyak the pandemonium lord
183028 | Zig:18   | Noticed Jodemp the pandemonium lord
183028 | Zig:18   | Noticed Gecu the pandemonium lord
183029 | Zig:18   | Noticed Sock the pandemonium lord
183029 | Zig:18   | Noticed Feffyfo the pandemonium lord
183029 | Zig:18   | Killed Topa the pandemonium lord
183029 | Zig:18   | Killed Ykef Biynky the pandemonium lord
183029 | Zig:18   | Killed Gycehyul the pandemonium lord
183030 | Zig:18   | Noticed Yjora the pandemonium lord
183030 | Zig:18   | Noticed Xuonkucs the pandemonium lord
183030 | Zig:18   | Noticed Folapaes the pandemonium lord
183031 | Zig:18   | Killed Xuonkucs the pandemonium lord
183031 | Zig:18   | Noticed Raurphoc the pandemonium lord
183031 | Zig:18   | Noticed Udwixiut the pandemonium lord
183031 | Zig:18   | Noticed Ungiycuidd the pandemonium lord
183032 | Zig:18   | Killed Folapaes the pandemonium lord
183032 | Zig:18   | Killed Gedui the pandemonium lord
183032 | Zig:18   | Noticed Vuphatir the pandemonium lord
183032 | Zig:18   | Noticed Umeu the pandemonium lord
183033 | Zig:18   | Killed Sock the pandemonium lord
183034 | Zig:18   | Killed Cerasop the pandemonium lord
183034 | Zig:18   | Killed Feffyfo the pandemonium lord
183034 | Zig:18   | Killed Jacvavol the pandemonium lord
183034 | Zig:18   | Noticed Qirimiami the pandemonium lord
183034 | Zig:18   | Noticed Wuetustru the pandemonium lord
183035 | Zig:18   | Noticed Nialu the pandemonium lord
183035 | Zig:18   | Killed Vuphatir the pandemonium lord
183036 | Zig:18   | Killed Yjora the pandemonium lord
183037 | Zig:18   | Killed Jodemp the pandemonium lord
183037 | Zig:18   | Killed Umeu the pandemonium lord
183037 | Zig:18   | Killed Gecu the pandemonium lord
183037 | Zig:18   | Noticed Gomio the pandemonium lord
183038 | Zig:18   | Killed Udwixiut the pandemonium lord
183038 | Zig:18   | Killed Ungiycuidd the pandemonium lord
183038 | Zig:18   | Noticed Xuaguno the pandemonium lord
183040 | Zig:18   | Killed Nialu the pandemonium lord
183040 | Zig:18   | Noticed Zauly the pandemonium lord
183041 | Zig:18   | Noticed Epuph the pandemonium lord
183041 | Zig:18   | Killed Ficyuniss the pandemonium lord
183041 | Zig:18   | Killed Wuetustru the pandemonium lord
183041 | Zig:18   | Noticed Weyz the pandemonium lord
183042 | Zig:18   | Killed Raurphoc the pandemonium lord
183042 | Zig:18   | Killed Xuaguno the pandemonium lord
183042 | Zig:18   | Noticed Enyclemi the pandemonium lord
183043 | Zig:18   | Killed Gomio the pandemonium lord
183043 | Zig:18   | Killed Zauly the pandemonium lord
183043 | Zig:18   | Killed Qirimiami the pandemonium lord
183043 | Zig:18   | Noticed Zuinucam the pandemonium lord
183044 | Zig:18   | Noticed Sotwye Amen the pandemonium lord
183046 | Zig:18   | Killed Weyz the pandemonium lord
183046 | Zig:18   | Killed Epuph the pandemonium lord
183046 | Zig:18   | Noticed Funodax the pandemonium lord
183047 | Zig:18   | Killed Enyclemi the pandemonium lord
183047 | Zig:18   | Noticed Zahaihoh the pandemonium lord
183048 | Zig:18   | Killed Sotwye Amen the pandemonium lord
183048 | Zig:18   | Killed Funodax the pandemonium lord
183049 | Zig:18   | Noticed Enuh the pandemonium lord
183049 | Zig:18   | Noticed Noedade the pandemonium lord
183050 | Zig:18   | Killed Enuh the pandemonium lord
183050 | Zig:18   | Noticed Mauly the pandemonium lord
183051 | Zig:18   | Killed Zahaihoh the pandemonium lord
183051 | Zig:18   | Noticed Lum Xyuq the pandemonium lord
183051 | Zig:18   | Noticed Tyohu the pandemonium lord
183052 | Zig:18   | Killed Noedade the pandemonium lord
183052 | Zig:18   | Killed Zuinucam the pandemonium lord
183052 | Zig:18   | Noticed Xohineel the pandemonium lord
183052 | Zig:18   | Noticed Xecs the pandemonium lord
183053 | Zig:18   | Noticed Somp the pandemonium lord
183053 | Zig:18   | Noticed Myqo the pandemonium lord
183054 | Zig:18   | Noticed Miqiy the pandemonium lord
183054 | Zig:18   | Killed Somp the pandemonium lord
183054 | Zig:18   | Killed Mauly the pandemonium lord
183054 | Zig:18   | Noticed Eme Nugo the pandemonium lord
183056 | Zig:18   | Killed Miqiy the pandemonium lord
183056 | Zig:18   | Noticed Feblium the pandemonium lord
183057 | Zig:18   | Killed Xecs the pandemonium lord
183057 | Zig:18   | Killed Xohineel the pandemonium lord
183058 | Zig:18   | Killed Lum Xyuq the pandemonium lord
183058 | Zig:18   | Noticed Busa the pandemonium lord
183058 | Zig:18   | Noticed Nukheper the pandemonium lord
183059 | Zig:18   | Killed Tyohu the pandemonium lord
183059 | Zig:18   | Noticed Urual the pandemonium lord
183060 | Zig:18   | Killed Eme Nugo the pandemonium lord
183061 | Zig:18   | Noticed Geemonass the pandemonium lord
183061 | Zig:18   | Noticed Dieg the pandemonium lord
183064 | Zig:18   | Killed Myqo the pandemonium lord
183064 | Zig:18   | Killed Feblium the pandemonium lord
183065 | Zig:18   | Killed Busa the pandemonium lord
183065 | Zig:18   | Killed Urual the pandemonium lord
183065 | Zig:18   | Killed Geemonass the pandemonium lord
183067 | Zig:18   | Killed Nukheper the pandemonium lord
183074 | Zig:18   | Killed Dieg the pandemonium lord
183301 | Zig:18   | Identified the ring "Ducyasut" {Int+4 SInv Stlth+}
183310 | Zig:18   | Identified the staff "Xilavou" {rElec rPois Air}
183314 | Zig:18   | Identified the amulet "Laitt" {Faith -Cast Rampage rN+}
183410 | Zig:19   | Entered Level 19 of a ziggurat
183417 | Zig:19   | Noticed a dread lich
183417 | Zig:19   | Noticed a dread lich
183418 | Zig:19   | Noticed a dread lich
183419 | Zig:19   | Killed a dread lich
183419 | Zig:19   | Killed a dread lich
183419 | Zig:19   | Noticed an ancient lich
183420 | Zig:19   | Noticed a dread lich
183422 | Zig:19   | Noticed a dread lich
183422 | Zig:19   | Noticed an ancient lich
183423 | Zig:19   | Killed a dread lich
183423 | Zig:19   | Killed a dread lich
183424 | Zig:19   | Noticed an ancient lich
183424 | Zig:19   | Noticed an ancient lich
183424 | Zig:19   | Noticed an ancient lich
183425 | Zig:19   | Killed an ancient lich
183425 | Zig:19   | Killed a dread lich
183425 | Zig:19   | Noticed an ancient lich
183426 | Zig:19   | Killed an ancient lich
183426 | Zig:19   | Killed an ancient lich
183426 | Zig:19   | Killed an ancient lich
183426 | Zig:19   | Killed an ancient lich
183427 | Zig:19   | Noticed a dread lich
183427 | Zig:19   | Noticed a dread lich
183427 | Zig:19   | Noticed an ancient lich
183427 | Zig:19   | Noticed a dread lich
183427 | Zig:19   | Noticed an ancient lich
183427 | Zig:19   | Noticed an ancient lich
183428 | Zig:19   | Killed an ancient lich
183428 | Zig:19   | Killed a dread lich
183428 | Zig:19   | Killed a dread lich
183428 | Zig:19   | Killed an ancient lich
183428 | Zig:19   | Killed an ancient lich
183428 | Zig:19   | Noticed a dread lich
183428 | Zig:19   | Noticed a dread lich
183429 | Zig:19   | Noticed a dread lich
183429 | Zig:19   | Noticed an ancient lich
183429 | Zig:19   | Noticed a dread lich
183429 | Zig:19   | Noticed a dread lich
183430 | Zig:19   | Killed an ancient lich
183430 | Zig:19   | Killed a dread lich
183430 | Zig:19   | Noticed an ancient lich
183431 | Zig:19   | Noticed a dread lich
183431 | Zig:19   | Noticed an ancient lich
183432 | Zig:19   | Killed a dread lich
183432 | Zig:19   | Killed a dread lich
183432 | Zig:19   | Killed a dread lich
183432 | Zig:19   | Killed a dread lich
183432 | Zig:19   | Killed a dread lich
183432 | Zig:19   | Killed an ancient lich
183432 | Zig:19   | Killed an ancient lich
183432 | Zig:19   | Killed an ancient lich
183433 | Zig:19   | Noticed a dread lich
183433 | Zig:19   | Noticed an ancient lich
183433 | Zig:19   | Noticed an ancient lich
183434 | Zig:19   | Killed a dread lich
183434 | Zig:19   | Killed a dread lich
183434 | Zig:19   | Killed an ancient lich
183434 | Zig:19   | Killed an ancient lich
183435 | Zig:19   | Noticed a dread lich
183435 | Zig:19   | Noticed a dread lich
183436 | Zig:19   | Noticed a dread lich
183437 | Zig:19   | Noticed a dread lich
183438 | Zig:19   | Killed a dread lich
183438 | Zig:19   | Killed a dread lich
183442 | Zig:19   | Killed a dread lich
183444 | Zig:19   | Killed a dread lich
183494 | Zig:19   | Identified the +5 falchion of the Sage {drain, rElec rC+
                  | rN+ Str+3}
183507 | Zig:19   | Identified the ring "Guanutou" {rF+ SInv}
183848 | Zig:20   | Entered Level 20 of a ziggurat
183859 | Zig:20   | Noticed Ijaurewk the pandemonium lord
183877 | Zig:20   | Killed Ijaurewk the pandemonium lord
183890 | Zig:20   | Noticed Qotustrot the pandemonium lord
183895 | Zig:20   | Killed Qotustrot the pandemonium lord
184220 | Zig:20   | Identified the dragon-blood talisman of Dim Light {rC+ rN+
                  | Will- Int+3}
184235 | Zig:20   | Identified the ring "Ismugim" {^Drain rN+ EV+5 Dex+9
                  | Stlth+}
184261 | Zig:20   | Identified the +6 plate armour "Efiocw" {+Inv}
184267 | Zig:20   | Identified the ring of the Endless Cities {Fire Int+5}
184270 | Zig:20   | Identified the +1 robe of the Constellations {Str+3}
184271 | Zig:20   | Identified the +4 ring mail of Submission {Slay+3}
184363 | Zig:21   | Entered Level 21 of a ziggurat
184388 | Zig:21   | Found the +8 pair of quick blades "Gyre" and "Gimble"
                  | {protect}
184468 | Zig:21   | Identified the +1 pair of boots "Tosaxk Lycw" {+Inv rN+
                  | Regen+}
184472 | Zig:21   | Identified the amulet "Onnou" {Faith Harm rC- Will++}
184500 | Zig:21   | Identified the amulet "Zuppiola" {Acrobat Dex+3}
184516 | Zig:21   | Identified the staff of Dissatisfaction {rF+ Will+ Fire
                  | Air}
184546 | Zig:21   | Identified the ring "Konoss" {Ice Will+ Stlth+}
184982 | Zig:22   | Entered Level 22 of a ziggurat
185015 | Zig:22   | Found the +0 toga "Victory" {*Victory Clar}
185019 | Zig:22   | Found the +4 robe of Augmentation {Str+4 Int+4 Dex+4}
185024 | Zig:22   | Found the +8 Wrath of Trog {antimagic, *Rage Rampage}
185373 | Zig:22   | Identified the +2 battleaxe of Pandemonium {flame, Dex+3}
185381 | Zig:22   | Identified the ring "Yphuc" {rC+ rCorr}
185424 | Zig:22   | Identified the +9 great mace "Qadihoyz" {freeze, Int+3}
185434 | Zig:22   | Identified the staff "Ihery" {rF+ rC+ Str+4 Fire Air}
185450 | Zig:22   | Identified the +1 spear of Ladd {heavy, *Noise rF+ Str+3}
185451 | Zig:22   | Identified the amulet of Wiubb {Spirit +Blink rElec Slay-2}
185471 | Zig:22   | Identified the staff "Guvimm" {rElec rPois rC- Int-5 Stlth+
                  | Alchemy}
185473 | Zig:22   | Identified the ring "Baphag" {SInv Stlth+}
185480 | Zig:22   | Identified the +4 swamp dragon scales "Bilakevo" {rPois
                  | Int+3}
185488 | Zig:22   | Identified the ring of Benn {Fire rPois rN+ rCorr Int+2}
185512 | Zig:22   | Identified the +2 quarterstaff of the Elven Halls {speed,
                  | Fly rPois rCorr}
185649 | Zig:23   | Entered Level 23 of a ziggurat
185802 | Zig:23   | Identified the ring "Nompafo" {+Blink rCorr Str+3}
185807 | Zig:23   | Identified the +9 hand axe "Kenis" {speed, ^Fragile +Blink
                  | Fly rPois}
185812 | Zig:23   | Identified the staff "Todghalaz" {rElec rF+ Dex-4 Conj}
185814 | Zig:23   | Identified the +1 plate armour of the Iron Devil {rF- rC+
                  | rN+}
185831 | Zig:23   | Acquired 435 gold pieces
185832 | Zig:23   | Acquired 704 gold pieces
185838 | Zig:23   | Identified the ring "Pokloban" {rElec SInv}
185843 | Zig:23   | Identified the +4 hand axe "Ethucu Yppe" {flame, Fly rPois
                  | Will- Dex+6}
185848 | Zig:23   | Identified the amulet "Xiwokkash" {Spirit Int+4}
185857 | Zig:23   | Identified the amulet "Yxourewn" {Reflect Rampage *Corrode
                  | Fly SH+5}
185871 | Zig:23   | Identified the +3 rapier of Wajail {flame, rN+ Int+3 Dex+3}
185876 | Zig:23   | Identified the ring "Keugub" {rElec rF+ rN+ Stlth+}
185877 | Zig:23   | Identified the +4 sling of the Gloaming {antimagic, rElec
                  | rC- Str+3 Stlth+}
186297 | Zig:24   | Entered Level 24 of a ziggurat
186762 | Zig:24   | Identified the ring of Elyvilon's Benevolence {rN+ rCorr
                  | Str-2 Slay+5}
186764 | Zig:24   | Identified the +2 quarterstaff "Mipil" {freeze, Dex+5}
186777 | Zig:24   | Identified the amulet "Myenly" {*Slow rPois rN+ Will+++
                  | Regen+}
187013 | Zig:25   | Entered Level 25 of a ziggurat
187030 | Zig:25   | Noticed an ancient lich
187032 | Zig:25   | Killed an ancient lich
187055 | Zig:25   | Noticed an ancient lich
187058 | Zig:25   | Killed an ancient lich
187062 | Zig:25   | Noticed a dread lich
187064 | Zig:25   | Killed a dread lich
187069 | Zig:25   | Noticed a dread lich
187069 | Zig:25   | Noticed a dread lich
187071 | Zig:25   | Killed a dread lich
187072 | Zig:25   | Killed a dread lich
187072 | Zig:25   | Noticed a dread lich
187080 | Zig:25   | Killed a dread lich
187395 | Zig:25   | Found the +8 Vampire's Tooth {megavamp}
187399 | Zig:25   | Identified the staff "Vaompiw" {^Contam rF+ MP+9 Dex+7
                  | Hexes Fire}
187429 | Zig:25   | Identified the ring "Ceusy" {rPois rC+ Will++ Int+3}
187526 | Zig:26   | Entered Level 26 of a ziggurat
188077 | Zig:26   | Identified the +2 pair of boots of the Ward {rElec Dex+3}
188085 | Zig:26   | Identified the amulet of Vehumet's Favour {Reflect rF+
                  | SH+5}
188112 | Zig:26   | Identified the +7 mace of Celik {flame, rElec Will+}
188118 | Zig:26   | Identified the staff "Wodin" {rF+ Int+5 Fire}
188290 | Zig:27   | Entered Level 27 of a ziggurat
188298 | Zig:27   | Noticed a royal mummy
188298 | Zig:27   | Noticed a royal mummy
188299 | Zig:27   | Noticed a royal mummy
188300 | Zig:27   | Noticed a royal mummy
188301 | Zig:27   | Noticed a royal mummy
188301 | Zig:27   | Noticed a royal mummy
188302 | Zig:27   | Killed a royal mummy
188302 | Zig:27   | Killed a royal mummy
188302 | Zig:27   | Killed a royal mummy
188303 | Zig:27   | Noticed a royal mummy
188303 | Zig:27   | Noticed a royal mummy
188303 | Zig:27   | Noticed a royal mummy
188303 | Zig:27   | Noticed a royal mummy
188304 | Zig:27   | Killed a royal mummy
188304 | Zig:27   | Killed a royal mummy
188304 | Zig:27   | Killed a royal mummy
188304 | Zig:27   | Noticed a royal mummy
188305 | Zig:27   | Noticed a royal mummy
188305 | Zig:27   | Killed a royal mummy
188305 | Zig:27   | Killed a royal mummy
188305 | Zig:27   | Noticed a royal mummy
188306 | Zig:27   | Killed a royal mummy
188306 | Zig:27   | Killed a royal mummy
188306 | Zig:27   | Killed a royal mummy
188306 | Zig:27   | Killed a royal mummy
188306 | Zig:27   | Noticed a royal mummy
188306 | Zig:27   | Noticed a royal mummy
188307 | Zig:27   | Noticed a royal mummy
188307 | Zig:27   | Noticed a royal mummy
188308 | Zig:27   | Noticed a royal mummy
188308 | Zig:27   | Noticed a royal mummy
188308 | Zig:27   | Noticed a royal mummy
188309 | Zig:27   | Noticed a royal mummy
188309 | Zig:27   | Noticed a royal mummy
188309 | Zig:27   | Noticed a royal mummy
188309 | Zig:27   | Noticed a royal mummy
188309 | Zig:27   | Noticed a royal mummy
188309 | Zig:27   | Noticed a royal mummy
188310 | Zig:27   | Killed a royal mummy
188311 | Zig:27   | Killed a royal mummy
188311 | Zig:27   | Killed a royal mummy
188311 | Zig:27   | Killed a royal mummy
188311 | Zig:27   | Killed a royal mummy
188311 | Zig:27   | Killed a royal mummy
188311 | Zig:27   | Killed a royal mummy
188311 | Zig:27   | Killed a royal mummy
188311 | Zig:27   | Killed a royal mummy
188311 | Zig:27   | Noticed a royal mummy
188312 | Zig:27   | Killed a royal mummy
188312 | Zig:27   | Killed a royal mummy
188312 | Zig:27   | Killed a royal mummy
188312 | Zig:27   | Noticed a royal mummy
188312 | Zig:27   | Noticed a royal mummy
188312 | Zig:27   | Noticed a royal mummy
188312 | Zig:27   | Noticed a royal mummy
188313 | Zig:27   | Noticed a royal mummy
188313 | Zig:27   | Noticed a royal mummy
188313 | Zig:27   | Noticed a royal mummy
188314 | Zig:27   | Killed a royal mummy
188314 | Zig:27   | Killed a royal mummy
188314 | Zig:27   | Killed a royal mummy
188314 | Zig:27   | Killed a royal mummy
188314 | Zig:27   | Killed a royal mummy
188314 | Zig:27   | Noticed a royal mummy
188315 | Zig:27   | Noticed a royal mummy
188315 | Zig:27   | Noticed a royal mummy
188317 | Zig:27   | Killed a royal mummy
188320 | Zig:27   | Killed a royal mummy
188321 | Zig:27   | Killed a royal mummy
188322 | Zig:27   | Killed a royal mummy
188322 | Zig:27   | Killed a royal mummy
188322 | Zig:27   | Noticed a royal mummy
188322 | Zig:27   | Noticed a royal mummy
188324 | Zig:27   | Killed a royal mummy
188325 | Zig:27   | Killed a royal mummy
188325 | Zig:27   | Killed a royal mummy
188325 | Zig:27   | Noticed a royal mummy
188325 | Zig:27   | Noticed a royal mummy
188330 | Zig:27   | Killed a royal mummy
188333 | Zig:27   | Killed a royal mummy
188333 | Zig:27   | Killed a royal mummy
188335 | Zig:27   | Noticed a royal mummy
188336 | Zig:27   | Noticed a royal mummy
188337 | Zig:27   | Killed a royal mummy
188338 | Zig:27   | Noticed a royal mummy
188338 | Zig:27   | Noticed a royal mummy
188338 | Zig:27   | Noticed a royal mummy
188339 | Zig:27   | Killed a royal mummy
188339 | Zig:27   | Killed a royal mummy
188339 | Zig:27   | Killed a royal mummy
188340 | Zig:27   | Killed a royal mummy
188340 | Zig:27   | Noticed an ancient lich
188342 | Zig:27   | Killed a royal mummy
188343 | Zig:27   | Killed an ancient lich
188343 | Zig:27   | Noticed a royal mummy
188344 | Zig:27   | Noticed a royal mummy
188344 | Zig:27   | Noticed a royal mummy
188344 | Zig:27   | Noticed a royal mummy
188345 | Zig:27   | Noticed a royal mummy
188345 | Zig:27   | Noticed a royal mummy
188346 | Zig:27   | Killed a royal mummy
188346 | Zig:27   | Killed a royal mummy
188346 | Zig:27   | Noticed a royal mummy
188347 | Zig:27   | Killed a royal mummy
188347 | Zig:27   | Killed a royal mummy
188347 | Zig:27   | Killed a royal mummy
188347 | Zig:27   | Noticed a royal mummy
188347 | Zig:27   | Noticed a royal mummy
188347 | Zig:27   | Noticed a royal mummy
188347 | Zig:27   | Noticed a royal mummy
188348 | Zig:27   | Killed a royal mummy
188349 | Zig:27   | Killed a royal mummy
188349 | Zig:27   | Killed a royal mummy
188349 | Zig:27   | Killed a royal mummy
188350 | Zig:27   | Killed a royal mummy
188350 | Zig:27   | Noticed a royal mummy
188350 | Zig:27   | Noticed a royal mummy
188352 | Zig:27   | Noticed a royal mummy
188353 | Zig:27   | Killed a royal mummy
188353 | Zig:27   | Killed a royal mummy
188354 | Zig:27   | Killed a royal mummy
188355 | Zig:27   | Killed a royal mummy
188359 | Zig:27   | Noticed a royal mummy
188360 | Zig:27   | Killed a royal mummy
188361 | Zig:27   | Noticed a royal mummy
188363 | Zig:27   | Noticed a royal mummy
188363 | Zig:27   | Noticed a royal mummy
188365 | Zig:27   | Noticed a royal mummy
188367 | Zig:27   | Killed a royal mummy
188367 | Zig:27   | Killed a royal mummy
188367 | Zig:27   | Noticed a royal mummy
188368 | Zig:27   | Killed a royal mummy
188368 | Zig:27   | Killed a royal mummy
188368 | Zig:27   | Noticed a royal mummy
188369 | Zig:27   | Noticed a royal mummy
188369 | Zig:27   | Noticed a royal mummy
188371 | Zig:27   | Killed a royal mummy
188371 | Zig:27   | Noticed a royal mummy
188372 | Zig:27   | Killed a royal mummy
188372 | Zig:27   | Killed a royal mummy
188372 | Zig:27   | Noticed a royal mummy
188373 | Zig:27   | Noticed a royal mummy
188373 | Zig:27   | Noticed a royal mummy
188374 | Zig:27   | Killed a royal mummy
188374 | Zig:27   | Noticed a royal mummy
188374 | Zig:27   | Noticed a royal mummy
188375 | Zig:27   | Killed a royal mummy
188375 | Zig:27   | Killed a royal mummy
188375 | Zig:27   | Killed a royal mummy
188376 | Zig:27   | Noticed a royal mummy
188377 | Zig:27   | Killed a royal mummy
188377 | Zig:27   | Killed a royal mummy
188377 | Zig:27   | Noticed a royal mummy
188378 | Zig:27   | Killed a royal mummy
188378 | Zig:27   | Noticed a royal mummy
188379 | Zig:27   | Killed a royal mummy
188379 | Zig:27   | Killed a royal mummy
188380 | Zig:27   | Noticed a royal mummy
188383 | Zig:27   | Killed a royal mummy
188383 | Zig:27   | Killed a royal mummy
188384 | Zig:27   | Noticed a royal mummy
188384 | Zig:27   | Noticed a royal mummy
188386 | Zig:27   | Noticed a royal mummy
188388 | Zig:27   | Killed a royal mummy
188388 | Zig:27   | Killed a royal mummy
188388 | Zig:27   | Noticed a royal mummy
188390 | Zig:27   | Killed a royal mummy
188393 | Zig:27   | Killed a royal mummy
188441 | Zig:27   | Found the +7 Spriggan's Knife {stab, EV+4 Stlth+}
188445 | Zig:27   | Found the +18 Lear's hauberk
188452 | Zig:27   | Identified the +6 great sword of Contradiction {flame, Fly
                  | rElec MP+9 Dex-5}
188453 | Zig:27   | Identified the +3 sling "Tiesoitu" {drain, rCorr Int+7}
188469 | Zig:27   | Identified the +5 quick blade of Dioharch {flame, Fly MP+9}
188482 | Zig:27   | Identified the +3 ring mail of Apathy {Str-5 Int+4 Dex+4
                  | Slay+3}
188545 | Zig:27   | Identified the staff of Vanity {rElec rPois rF+ Str-5 Fire
                  | Air}
188546 | Zig:27   | Identified the +2 troll leather armour of the Manifold
                  | Curses {rElec Regen+ Stlth+}
188558 | Zig:27   | Identified the ring "Buaf" {rF+ Str+3 Int+6 Slay+2}
188576 | Zig:27   | Identified the staff of Antique Prudence {rElec Str+8 Air}
189108 | Depths:3 | :13:57 zig end
189346 | Zig:1    | Entered Level 1 of a ziggurat
189353 | Zig:1    | :zig start 14:05
189385 | Zig:1    | Identified the +4 long sword "Ucecw" {holy, rPois rCorr
                  | Str+3 Int-4}
189402 | Zig:2    | Entered Level 2 of a ziggurat
189402 | Zig:2    | Noticed a royal mummy
189403 | Zig:2    | Killed a royal mummy
189458 | Zig:2    | Identified the +7 sling of Duty {flame, rElec rF+ rC- rN++}
189474 | Zig:2    | Identified the +1 pair of boots of Greater Demons {rN+
                  | Str+6 Int+3}
189527 | Zig:3    | Entered Level 3 of a ziggurat
189655 | Zig:4    | Entered Level 4 of a ziggurat
189757 | Zig:4    | Identified the amulet of Xeuhodov {Faith rN+ Int+3}
189761 | Zig:4    | Identified the staff of Gerunan {^Contam rF+++ rC+ Stlth-
                  | Summ Ice}
189787 | Zig:5    | Entered Level 5 of a ziggurat
189787 | Zig:5    | Noticed an ancient lich
189787 | Zig:5    | Noticed an ancient lich
189787 | Zig:5    | Noticed an ancient lich
189787 | Zig:5    | Noticed a dread lich
189787 | Zig:5    | Noticed a dread lich
189788 | Zig:5    | Noticed an ancient lich
189788 | Zig:5    | Noticed an ancient lich
189788 | Zig:5    | Noticed an ancient lich
189789 | Zig:5    | Noticed a dread lich
189789 | Zig:5    | Noticed an ancient lich
189789 | Zig:5    | Noticed an ancient lich
189789 | Zig:5    | Noticed an ancient lich
189791 | Zig:5    | Killed an ancient lich
189791 | Zig:5    | Killed an ancient lich
189791 | Zig:5    | Killed an ancient lich
189791 | Zig:5    | Killed an ancient lich
189791 | Zig:5    | Killed a dread lich
189791 | Zig:5    | Killed an ancient lich
189791 | Zig:5    | Killed an ancient lich
189792 | Zig:5    | Noticed an ancient lich
189792 | Zig:5    | Noticed a dread lich
189792 | Zig:5    | Noticed a dread lich
189793 | Zig:5    | Killed an ancient lich
189793 | Zig:5    | Killed an ancient lich
189793 | Zig:5    | Killed a dread lich
189793 | Zig:5    | Killed a dread lich
189795 | Zig:5    | Killed a dread lich
189795 | Zig:5    | Killed a dread lich
189797 | Zig:5    | Killed an ancient lich
189797 | Zig:5    | Killed an ancient lich
189835 | Zig:5    | Identified the staff "Impslayer" {rC+ Will+ Int+3 SInv Ice}
189927 | Zig:6    | Entered Level 6 of a ziggurat
190038 | Zig:6    | Identified the ring "Odach" {Wiz rF+ Dex+3}
190108 | Zig:6    | Learned a level 7 spell: Ozocubu's Refrigeration
190116 | Zig:6    | Learned a level 5 spell: Summon Forest
190151 | Zig:7    | Entered Level 7 of a ziggurat
190158 | Zig:7    | Found the +2 ratskin cloak {*Rats rPois rN+ Str-1 Int-1
                  | Dex+1}
190158 | Zig:7    | Found the +4 consecrated labrys {holy, Valiant ^Fragile Fly
                  | SInv}
190159 | Zig:7    | Found the +3 giant club "Skullcrusher" {speed, Str+7}
190197 | Zig:7    | Identified the amulet of Melee {Regen+ Dex+2 Slay+3}
190199 | Zig:7    | Identified the staff of Brewing Terror {+Blink rElec rC+
                  | Str-3 Ice Earth}
190205 | Zig:7    | Identified the staff "Rofinaos" {Int+5 Stlth- Conj}
190218 | Zig:7    | Identified the +5 halberd of Nolo Contendere {flame, rCorr
                  | Str-4 Int+3}
190386 | Zig:8    | Entered Level 8 of a ziggurat
190387 | Zig:8    | Noticed a dread lich
190388 | Zig:8    | Noticed a dread lich
190388 | Zig:8    | Noticed an ancient lich
190388 | Zig:8    | Noticed an ancient lich
190389 | Zig:8    | Killed a dread lich
190389 | Zig:8    | Killed a dread lich
190389 | Zig:8    | Killed an ancient lich
190389 | Zig:8    | Killed an ancient lich
190389 | Zig:8    | Killed a dread lich
190389 | Zig:8    | Noticed an ancient lich
190391 | Zig:8    | Noticed a dread lich
190391 | Zig:8    | Noticed a dread lich
190392 | Zig:8    | Killed an ancient lich
190393 | Zig:8    | Noticed an ancient lich
190394 | Zig:8    | Killed a dread lich
190394 | Zig:8    | Killed a dread lich
190395 | Zig:8    | Noticed an ancient lich
190397 | Zig:8    | Noticed a dread lich
190397 | Zig:8    | Noticed an ancient lich
190397 | Zig:8    | Noticed a dread lich
190398 | Zig:8    | Killed an ancient lich
190398 | Zig:8    | Killed a dread lich
190399 | Zig:8    | Killed an ancient lich
190399 | Zig:8    | Killed a dread lich
190401 | Zig:8    | Killed an ancient lich
190521 | Zig:8    | Identified the ring of Imishrep {rElec rCorr Str+6 Int+4
                  | Dex-5}
190552 | Zig:8    | Identified the +2 pair of gloves of Past Mistakes {Rampage
                  | Regen+ Int-3 Slay+5}
190602 | Zig:9    | Entered Level 9 of a ziggurat
190603 | Zig:9    | Noticed an ancient lich
190603 | Zig:9    | Noticed an ancient lich
190604 | Zig:9    | Noticed a dread lich
190604 | Zig:9    | Noticed a dread lich
190604 | Zig:9    | Noticed a dread lich
190605 | Zig:9    | Killed an ancient lich
190605 | Zig:9    | Killed a dread lich
190606 | Zig:9    | Noticed an ancient lich
190606 | Zig:9    | Noticed a dread lich
190607 | Zig:9    | Noticed an ancient lich
190607 | Zig:9    | Killed a dread lich
190607 | Zig:9    | Killed an ancient lich
190607 | Zig:9    | Killed a dread lich
190607 | Zig:9    | Killed a dread lich
190607 | Zig:9    | Killed an ancient lich
190607 | Zig:9    | Noticed an ancient lich
190608 | Zig:9    | Noticed an ancient lich
190608 | Zig:9    | Noticed a dread lich
190608 | Zig:9    | Noticed a dread lich
190608 | Zig:9    | Noticed a dread lich
190609 | Zig:9    | Noticed a dread lich
190609 | Zig:9    | Noticed an ancient lich
190609 | Zig:9    | Noticed an ancient lich
190610 | Zig:9    | Killed an ancient lich
190610 | Zig:9    | Killed an ancient lich
190610 | Zig:9    | Killed a dread lich
190610 | Zig:9    | Killed a dread lich
190610 | Zig:9    | Killed a dread lich
190610 | Zig:9    | Noticed an ancient lich
190611 | Zig:9    | Noticed a dread lich
190611 | Zig:9    | Noticed an ancient lich
190612 | Zig:9    | Killed an ancient lich
190612 | Zig:9    | Killed an ancient lich
190612 | Zig:9    | Killed a dread lich
190612 | Zig:9    | Killed an ancient lich
190612 | Zig:9    | Killed an ancient lich
190612 | Zig:9    | Killed a dread lich
190613 | Zig:9    | Killed an ancient lich
190644 | Zig:9    | Identified the staff of Death's Door {rElec rC- rCorr Str+6
                  | Air}
190669 | Zig:9    | Identified the +0 scimitar of Suol {elec, +Blink rF+ Int+5
                  | Dex+3}
190814 | Zig:10   | Entered Level 10 of a ziggurat
191033 | Zig:10   | Identified the staff "Fezxeimp" {Str+2 Earth}
191034 | Zig:10   | Identified the ring "Weanutio" {Fire Fly Will- MP+9 Str+4}
191036 | Zig:10   | Identified the staff of the Hierophant {Fly rC++ Stlth+
                  | Earth}
191043 | Zig:10   | Identified the +7 mace of Neysmud {venom, rPois rF+ Str+3
                  | Stlth+}
191126 | Zig:11   | Entered Level 11 of a ziggurat
191129 | Zig:11   | Noticed an ancient lich
191129 | Zig:11   | Noticed a dread lich
191129 | Zig:11   | Noticed a dread lich
191130 | Zig:11   | Noticed an ancient lich
191130 | Zig:11   | Noticed a dread lich
191130 | Zig:11   | Noticed a dread lich
191131 | Zig:11   | Noticed an ancient lich
191132 | Zig:11   | Killed a dread lich
191132 | Zig:11   | Killed a dread lich
191132 | Zig:11   | Killed a dread lich
191132 | Zig:11   | Killed a dread lich
191132 | Zig:11   | Killed an ancient lich
191132 | Zig:11   | Noticed an ancient lich
191132 | Zig:11   | Noticed a dread lich
191133 | Zig:11   | Killed an ancient lich
191133 | Zig:11   | Killed an ancient lich
191133 | Zig:11   | Killed an ancient lich
191133 | Zig:11   | Killed a dread lich
191134 | Zig:11   | Noticed a dread lich
191134 | Zig:11   | Noticed a dread lich
191134 | Zig:11   | Noticed a dread lich
191135 | Zig:11   | Noticed a dread lich
191135 | Zig:11   | Noticed a dread lich
191136 | Zig:11   | Killed a dread lich
191136 | Zig:11   | Killed a dread lich
191136 | Zig:11   | Killed a dread lich
191137 | Zig:11   | Noticed a dread lich
191137 | Zig:11   | Noticed an ancient lich
191139 | Zig:11   | Killed a dread lich
191139 | Zig:11   | Killed a dread lich
191139 | Zig:11   | Noticed a dread lich
191139 | Zig:11   | Noticed a dread lich
191139 | Zig:11   | Noticed a dread lich
191139 | Zig:11   | Noticed an ancient lich
191140 | Zig:11   | Noticed a dread lich
191140 | Zig:11   | Noticed an ancient lich
191140 | Zig:11   | Noticed an ancient lich
191141 | Zig:11   | Killed a dread lich
191141 | Zig:11   | Killed an ancient lich
191141 | Zig:11   | Killed a dread lich
191141 | Zig:11   | Killed a dread lich
191141 | Zig:11   | Noticed an ancient lich
191142 | Zig:11   | Killed an ancient lich
191142 | Zig:11   | Killed a dread lich
191142 | Zig:11   | Killed a dread lich
191142 | Zig:11   | Killed an ancient lich
191142 | Zig:11   | Killed an ancient lich
191142 | Zig:11   | Noticed a dread lich
191143 | Zig:11   | Noticed a dread lich
191143 | Zig:11   | Noticed a dread lich
191143 | Zig:11   | Noticed an ancient lich
191143 | Zig:11   | Noticed an ancient lich
191144 | Zig:11   | Killed an ancient lich
191145 | Zig:11   | Killed an ancient lich
191145 | Zig:11   | Killed a dread lich
191145 | Zig:11   | Killed an ancient lich
191145 | Zig:11   | Noticed an ancient lich
191146 | Zig:11   | Noticed a dread lich
191146 | Zig:11   | Noticed an ancient lich
191147 | Zig:11   | Killed a dread lich
191147 | Zig:11   | Killed a dread lich
191148 | Zig:11   | Noticed an ancient lich
191149 | Zig:11   | Killed an ancient lich
191149 | Zig:11   | Killed an ancient lich
191149 | Zig:11   | Killed a dread lich
191153 | Zig:11   | Killed an ancient lich
191154 | Zig:11   | Found the +7 mace of Variability {chaos, chaos arc}
191194 | Zig:11   | Identified the +2 robe of Luificong {rCorr Int+4 Slay+2}
191211 | Zig:11   | Identified the +4 chain mail of Toxteos {Str+5 Dex+3 SInv}
191351 | Zig:11   | Identified the +2 war axe of Botuvupi {heavy, Int+3 SInv
                  | Stlth-}
191352 | Zig:11   | Identified the ring of Debbig {rPois Will- MP+9 Str+2
                  | Stlth+}
191354 | Zig:11   | Identified the +3 hand axe "Haganur" {drain, rC+ Will++
                  | Str-4}
191384 | Zig:12   | Entered Level 12 of a ziggurat
191702 | Zig:12   | Identified the ring "Zexeix" {Wiz rN+ Will+ SInv}
191720 | Zig:12   | Identified the +1 helmet of Hepliaklqana's Wrath {rPois
                  | Str-4 Int+5}
191729 | Zig:12   | Identified the +7 battleaxe "Afostrousch" {chaos, rPois
                  | Int+3 Dex+2}
191731 | Zig:12   | Identified the +0 ring mail of the Pits of Slime {rCorr}
191751 | Zig:12   | Identified the staff "Feijapot" {rElec Conj Hexes}
191831 | Zig:13   | Entered Level 13 of a ziggurat
191971 | Zig:13   | Identified the +1 leather armour of Trumpets {Str+3}
191976 | Zig:13   | Identified the +6 quarterstaff "Earthworm" {distort, Will+}
192214 | Zig:14   | Entered Level 14 of a ziggurat
192533 | Zig:14   | Identified the +0 war axe "Ycastre" {venom, rC+}
192534 | Zig:14   | Identified the +6 battleaxe "Fenaatou" {spect, ^Fragile
                  | rPois rCorr Int+3}
192536 | Zig:14   | Identified the +4 eveningstar "Loneivvy" {antimagic, rF-
                  | rC+ Will++}
192617 | Zig:15   | Entered Level 15 of a ziggurat
192702 | Zig:15   | Identified the +0 scale mail "Lafearijaamm" {Str+4}
192706 | Zig:15   | Identified the ring "Yrpheefo" {Ice *Slow rElec Int+2}
192708 | Zig:15   | Identified the +9 shortbow of Difibea {freeze, Str+3 Dex+3}
192726 | Zig:15   | Identified the ring of Meckille {rElec rC+ rN++ Int-4
                  | Dex+6}
192728 | Zig:15   | Identified the amulet of Somet {Reflect +Blink rF+++ Will++
                  | SH+5}
192732 | Zig:15   | Identified the quicksilver dragon scales of Vampiric
                  | Thralls {-Cast rElec rF- Will+ Str+6}
192736 | Zig:15   | Identified the +10 shortbow of Unpleasantness {freeze,
                  | ^Fragile rC+++ Dex-5 Stlth+}
193112 | Zig:16   | Entered Level 16 of a ziggurat
193112 | Zig:16   | Noticed a royal mummy
193112 | Zig:16   | Noticed a royal mummy
193112 | Zig:16   | Noticed a royal mummy
193112 | Zig:16   | Noticed a royal mummy
193112 | Zig:16   | Noticed a royal mummy
193112 | Zig:16   | Noticed a royal mummy
193112 | Zig:16   | Noticed a royal mummy
193113 | Zig:16   | Killed a royal mummy
193113 | Zig:16   | Killed a royal mummy
193113 | Zig:16   | Killed a royal mummy
193113 | Zig:16   | Killed a royal mummy
193113 | Zig:16   | Killed a royal mummy
193114 | Zig:16   | Killed a royal mummy
193116 | Zig:16   | Killed a royal mummy
193117 | Zig:16   | Noticed a royal mummy
193118 | Zig:16   | Noticed a royal mummy
193118 | Zig:16   | Noticed a royal mummy
193118 | Zig:16   | Noticed a royal mummy
193120 | Zig:16   | Noticed a royal mummy
193121 | Zig:16   | Noticed a royal mummy
193122 | Zig:16   | Noticed a royal mummy
193123 | Zig:16   | Killed a royal mummy
193123 | Zig:16   | Killed a royal mummy
193123 | Zig:16   | Killed a royal mummy
193123 | Zig:16   | Noticed a royal mummy
193125 | Zig:16   | Noticed a royal mummy
193125 | Zig:16   | Noticed a royal mummy
193125 | Zig:16   | Noticed a royal mummy
193126 | Zig:16   | Killed a royal mummy
193126 | Zig:16   | Killed a royal mummy
193126 | Zig:16   | Killed a royal mummy
193126 | Zig:16   | Killed a royal mummy
193126 | Zig:16   | Killed a royal mummy
193126 | Zig:16   | Killed a royal mummy
193126 | Zig:16   | Killed a royal mummy
193127 | Zig:16   | Killed a royal mummy
193128 | Zig:16   | Noticed a royal mummy
193128 | Zig:16   | Noticed a royal mummy
193130 | Zig:16   | Noticed a royal mummy
193131 | Zig:16   | Noticed a royal mummy
193131 | Zig:16   | Noticed a royal mummy
193131 | Zig:16   | Noticed a royal mummy
193132 | Zig:16   | Noticed a royal mummy
193132 | Zig:16   | Noticed a royal mummy
193134 | Zig:16   | Killed a royal mummy
193134 | Zig:16   | Killed a royal mummy
193134 | Zig:16   | Killed a royal mummy
193134 | Zig:16   | Killed a royal mummy
193134 | Zig:16   | Killed a royal mummy
193134 | Zig:16   | Killed a royal mummy
193134 | Zig:16   | Killed a royal mummy
193134 | Zig:16   | Killed a royal mummy
193134 | Zig:16   | Noticed a royal mummy
193137 | Zig:16   | Killed a royal mummy
193139 | Zig:16   | Noticed a royal mummy
193139 | Zig:16   | Noticed a royal mummy
193140 | Zig:16   | Noticed a royal mummy
193141 | Zig:16   | Killed a royal mummy
193142 | Zig:16   | Killed a royal mummy
193142 | Zig:16   | Noticed a royal mummy
193142 | Zig:16   | Noticed a royal mummy
193146 | Zig:16   | Killed a royal mummy
193146 | Zig:16   | Killed a royal mummy
193146 | Zig:16   | Killed a royal mummy
193146 | Zig:16   | Noticed a royal mummy
193147 | Zig:16   | Noticed a royal mummy
193147 | Zig:16   | Noticed a royal mummy
193147 | Zig:16   | Noticed a royal mummy
193148 | Zig:16   | Killed a royal mummy
193149 | Zig:16   | Killed a royal mummy
193149 | Zig:16   | Noticed a royal mummy
193150 | Zig:16   | Killed a royal mummy
193150 | Zig:16   | Killed a royal mummy
193150 | Zig:16   | Noticed a royal mummy
193151 | Zig:16   | Noticed a royal mummy
193155 | Zig:16   | Killed a royal mummy
193156 | Zig:16   | Killed a royal mummy
193157 | Zig:16   | Killed a royal mummy
193158 | Zig:16   | Noticed a royal mummy
193161 | Zig:16   | Noticed a royal mummy
193164 | Zig:16   | Killed a royal mummy
193167 | Zig:16   | Killed a royal mummy
193543 | Zig:16   | Found the +8 trident of the Octopus King {venom, rElec
                  | rPois}
193551 | Zig:16   | Identified the +2 dagger of Raoteg {drain, rF+ Str+3}
193558 | Zig:16   | Identified the ring of Gattox {^Contam EV+5 Int+6}
193570 | Zig:16   | Identified the ring "Kaxkoso" {rCorr Str+6 Dex+3}
193662 | Zig:17   | Entered Level 17 of a ziggurat
193665 | Zig:17   | Noticed Ciodarui the pandemonium lord
193666 | Zig:17   | Noticed Diblujau the pandemonium lord
193666 | Zig:17   | Noticed Xesosier the pandemonium lord
193666 | Zig:17   | Noticed Ostitw Davu the pandemonium lord
193668 | Zig:17   | Noticed Reskalihyl the pandemonium lord
193668 | Zig:17   | Noticed Ukyliv the pandemonium lord
193668 | Zig:17   | Noticed Tauf Amp the pandemonium lord
193669 | Zig:17   | Noticed Geytutav the pandemonium lord
193669 | Zig:17   | Noticed Tocenkya the pandemonium lord
193670 | Zig:17   | Killed Diblujau the pandemonium lord
193670 | Zig:17   | Killed Ostitw Davu the pandemonium lord
193670 | Zig:17   | Noticed Osuamaod the pandemonium lord
193670 | Zig:17   | Noticed Baecleniatz the pandemonium lord
193671 | Zig:17   | Killed Tauf Amp the pandemonium lord
193671 | Zig:17   | Noticed Senienun the pandemonium lord
193672 | Zig:17   | Killed Tocenkya the pandemonium lord
193672 | Zig:17   | Killed Reskalihyl the pandemonium lord
193672 | Zig:17   | Killed Baecleniatz the pandemonium lord
193672 | Zig:17   | Noticed Akkoboddug the pandemonium lord
193672 | Zig:17   | Noticed Mesu the pandemonium lord
193673 | Zig:17   | Noticed Noppof the pandemonium lord
193673 | Zig:17   | Killed Xesosier the pandemonium lord
193673 | Zig:17   | Killed Senienun the pandemonium lord
193673 | Zig:17   | Killed Ukyliv the pandemonium lord
193673 | Zig:17   | Noticed Gifee the pandemonium lord
193673 | Zig:17   | Noticed Torch the pandemonium lord
193674 | Zig:17   | Killed Ciodarui the pandemonium lord
193674 | Zig:17   | Noticed Samohaeb the pandemonium lord
193674 | Zig:17   | Noticed Qiwa the pandemonium lord
193675 | Zig:17   | Killed Osuamaod the pandemonium lord
193675 | Zig:17   | Killed Geytutav the pandemonium lord
193675 | Zig:17   | Noticed Gioptenn the pandemonium lord
193676 | Zig:17   | Killed Mesu the pandemonium lord
193677 | Zig:17   | Noticed Niffech the pandemonium lord
193677 | Zig:17   | Killed Akkoboddug the pandemonium lord
193677 | Zig:17   | Killed Torch the pandemonium lord
193678 | Zig:17   | Noticed Soekeo the pandemonium lord
193678 | Zig:17   | Noticed Ulubrano the pandemonium lord
193678 | Zig:17   | Noticed Gouxom the pandemonium lord
193678 | Zig:17   | Noticed Zociwo the pandemonium lord
193678 | Zig:17   | Noticed Ironile the pandemonium lord
193678 | Zig:17   | Noticed Qipsasur the pandemonium lord
193680 | Zig:17   | Noticed Isam the pandemonium lord
193680 | Zig:17   | Killed Noppof the pandemonium lord
193681 | Zig:17   | Killed Gifee the pandemonium lord
193682 | Zig:17   | Noticed Doguc the pandemonium lord
193682 | Zig:17   | Noticed Muwof Ymi the pandemonium lord
193683 | Zig:17   | Noticed Iqice the pandemonium lord
193683 | Zig:17   | Killed Soekeo the pandemonium lord
193683 | Zig:17   | Noticed Idit Sol the pandemonium lord
193684 | Zig:17   | Killed Samohaeb the pandemonium lord
193684 | Zig:17   | Killed Muwof Ymi the pandemonium lord
193684 | Zig:17   | Killed Niffech the pandemonium lord
193684 | Zig:17   | Noticed Bitunkah the pandemonium lord
193685 | Zig:17   | Killed Xailoree the pandemonium lord
193685 | Zig:17   | Killed Qipsasur the pandemonium lord
193685 | Zig:17   | Noticed Vyghiwn the pandemonium lord
193686 | Zig:17   | Noticed Poawk the pandemonium lord
193687 | Zig:17   | Killed Zociwo the pandemonium lord
193687 | Zig:17   | Killed Doguc the pandemonium lord
193687 | Zig:17   | Killed Qiwa the pandemonium lord
193687 | Zig:17   | Killed Iqice the pandemonium lord
193687 | Zig:17   | Killed Gioptenn the pandemonium lord
193687 | Zig:17   | Noticed Rymequob the pandemonium lord
193687 | Zig:17   | Noticed Itegheff the pandemonium lord
193688 | Zig:17   | Killed Ulubrano the pandemonium lord
193688 | Zig:17   | Killed Vyghiwn the pandemonium lord
193688 | Zig:17   | Killed Bitunkah the pandemonium lord
193688 | Zig:17   | Killed Idit Sol the pandemonium lord
193688 | Zig:17   | Noticed Tunkisan the pandemonium lord
193689 | Zig:17   | Killed Rymequob the pandemonium lord
193689 | Zig:17   | Killed Ironile the pandemonium lord
193690 | Zig:17   | Noticed Juefau the pandemonium lord
193690 | Zig:17   | Noticed Esapninn the pandemonium lord
193690 | Zig:17   | Killed Esapninn the pandemonium lord
193690 | Zig:17   | Killed Isam the pandemonium lord
193691 | Zig:17   | Killed Gouxom the pandemonium lord
193691 | Zig:17   | Noticed Ytry the pandemonium lord
193692 | Zig:17   | Noticed Hedegeg the pandemonium lord
193692 | Zig:17   | Noticed Ithrohodgh the pandemonium lord
193693 | Zig:17   | Killed Poawk the pandemonium lord
193693 | Zig:17   | Killed Tunkisan the pandemonium lord
193693 | Zig:17   | Killed Itegheff the pandemonium lord
193693 | Zig:17   | Noticed Asoskac the pandemonium lord
193694 | Zig:17   | Killed Ytry the pandemonium lord
193695 | Zig:17   | Noticed Kaghak the pandemonium lord
193696 | Zig:17   | Killed Ithrohodgh the pandemonium lord
193697 | Zig:17   | Noticed Kikap the pandemonium lord
193697 | Zig:17   | Noticed Iwoucam the pandemonium lord
193698 | Zig:17   | Killed Hedegeg the pandemonium lord
193698 | Zig:17   | Killed Kaghak the pandemonium lord
193698 | Zig:17   | Killed Asoskac the pandemonium lord
193699 | Zig:17   | Killed Juefau the pandemonium lord
193699 | Zig:17   | Killed Kikap the pandemonium lord
193699 | Zig:17   | Killed Iwoucam the pandemonium lord
193699 | Zig:17   | Noticed Dox Fufy the pandemonium lord
193700 | Zig:17   | Noticed Lussuapt the pandemonium lord
193701 | Zig:17   | Noticed Hyuri the pandemonium lord
193702 | Zig:17   | Killed Lussuapt the pandemonium lord
193703 | Zig:17   | Noticed Hutoajis the pandemonium lord
193704 | Zig:17   | Killed Hyuri the pandemonium lord
193704 | Zig:17   | Noticed Ururuly the pandemonium lord
193705 | Zig:17   | Killed Dox Fufy the pandemonium lord
193705 | Zig:17   | Killed Hutoajis the pandemonium lord
193705 | Zig:17   | Noticed Gonwucau the pandemonium lord
193705 | Zig:17   | Noticed Tiuteh the pandemonium lord
193706 | Zig:17   | Noticed Esustr Mare the pandemonium lord
193706 | Zig:17   | Noticed Oreok the pandemonium lord
193707 | Zig:17   | Killed Ururuly the pandemonium lord
193707 | Zig:17   | Killed Tiuteh the pandemonium lord
193708 | Zig:17   | Noticed Mitettu the pandemonium lord
193709 | Zig:17   | Killed Esustr Mare the pandemonium lord
193709 | Zig:17   | Killed Gonwucau the pandemonium lord
193709 | Zig:17   | Noticed Suludwa the pandemonium lord
193710 | Zig:17   | Noticed Poozxain the pandemonium lord
193710 | Zig:17   | Noticed Boiketin the pandemonium lord
193710 | Zig:17   | Noticed Renapestraffa the pandemonium lord
193710 | Zig:17   | Noticed Cadaagg the pandemonium lord
193710 | Zig:17   | Noticed Mauk the pandemonium lord
193710 | Zig:17   | Noticed Hestucs the pandemonium lord
193710 | Zig:17   | Noticed Cipelem the pandemonium lord
193710 | Zig:17   | Noticed Ygak the pandemonium lord
193710 | Zig:17   | Noticed Nuruvil the pandemonium lord
193711 | Zig:17   | Noticed Deus the pandemonium lord
193712 | Zig:17   | Killed Oreok the pandemonium lord
193713 | Zig:17   | Killed Cadaagg the pandemonium lord
193713 | Zig:17   | Killed Hestucs the pandemonium lord
193713 | Zig:17   | Killed Ygak the pandemonium lord
193713 | Zig:17   | Killed Nuruvil the pandemonium lord
193713 | Zig:17   | Killed Renapestraffa the pandemonium lord
193718 | Zig:17   | Killed Boiketin the pandemonium lord
193722 | Zig:17   | Killed Deus the pandemonium lord
193723 | Zig:17   | Killed Mitettu the pandemonium lord
193724 | Zig:17   | Killed Suludwa the pandemonium lord
193724 | Zig:17   | Killed Mauk the pandemonium lord
193724 | Zig:17   | Killed Cipelem the pandemonium lord
193724 | Zig:17   | Killed Poozxain the pandemonium lord
193974 | Zig:17   | Found the +7 staff of the Meek {protect, meekguard}
193979 | Zig:17   | Found the +7 Throatcutter {drain, coup de grace}
194020 | Zig:17   | Identified the +7 mace of Guilt {freeze, rPois rCorr Str-3
                  | Dex+6}
194024 | Zig:17   | Identified the ring "Kutipy" {rC+ rCorr Dex+2}
194028 | Zig:17   | Identified the ring of Linearity {rPois rF+ rC+ Dex+4}
194031 | Zig:17   | Identified the +0 chain mail of Fofuj {Rampage Stlth+}
194037 | Zig:17   | Identified the staff "Yzenew" {rElec rC- rN++ Air}
194038 | Zig:17   | Identified the ring "Jaxkeafe" {rPois rF+ MP+9 Slay-4
                  | Stlth+}
194040 | Zig:17   | Identified the +10 orcbow "Lat Sosu" {drain, Int-2 Dex+3}
194046 | Zig:17   | Identified the +8 sling "Impbane" {heavy, rPois rF++}
194113 | Zig:17   | Learned a level 7 spell: Spellforged Servitor
194120 | Zig:17   | Learned a level 5 spell: Freezing Cloud
194205 | Zig:18   | Entered Level 18 of a ziggurat
194687 | Zig:18   | Identified the ring "Unahegem" {Str+3 Int+6}
194719 | Zig:18   | Identified the +0 helmet of the Devil {*Slow Str+7 Dex+3
                  | SInv}
194725 | Zig:18   | Identified the ring "Goduh" {Dex+6 SInv}
194739 | Zig:18   | Identified the +1 robe of the Tanner {Regen+ Int+3}
194743 | Zig:18   | Identified the ring "Doithaz" {+Blink rN+ rCorr SInv}
194774 | Zig:18   | Identified the ring "Maehiy" {rCorr Int+5}
194892 | Zig:18   | Learned a level 8 spell: Infestation
194900 | Zig:19   | Entered Level 19 of a ziggurat
195020 | Zig:19   | Identified the +9 glaive of Amortisation {freeze, rElec rF-
                  | Will+ rCorr}
195023 | Zig:19   | Identified the ring "Siore" {+Blink Int+6}
195028 | Zig:19   | Identified the +1 pair of gloves of Fudot {Int+5}
195049 | Zig:19   | Identified the +0 leather armour of Summertime {+Blink
                  | Str+2}
195393 | Zig:19   | Learned a level 9 spell: Fire Storm
195399 | Zig:20   | Entered Level 20 of a ziggurat
195402 | Zig:20   | Noticed a juggernaut
195403 | Zig:20   | Noticed a juggernaut
195403 | Zig:20   | Noticed a juggernaut
195404 | Zig:20   | Noticed a juggernaut
195404 | Zig:20   | Noticed a juggernaut
195405 | Zig:20   | Noticed a juggernaut
195406 | Zig:20   | Noticed a juggernaut
195406 | Zig:20   | Noticed a juggernaut
195406 | Zig:20   | Killed a juggernaut
195406 | Zig:20   | Killed a juggernaut
195406 | Zig:20   | Killed a juggernaut
195406 | Zig:20   | Killed a juggernaut
195406 | Zig:20   | Killed a juggernaut
195406 | Zig:20   | Killed a juggernaut
195407 | Zig:20   | Noticed a juggernaut
195408 | Zig:20   | Killed a juggernaut
195409 | Zig:20   | Noticed a juggernaut
195409 | Zig:20   | Killed a juggernaut
195412 | Zig:20   | Killed a juggernaut
195412 | Zig:20   | Killed a juggernaut
195413 | Zig:20   | Noticed a juggernaut
195413 | Zig:20   | Noticed a juggernaut
195414 | Zig:20   | Noticed a juggernaut
195414 | Zig:20   | Noticed a juggernaut
195414 | Zig:20   | Noticed a juggernaut
195414 | Zig:20   | Noticed a juggernaut
195415 | Zig:20   | Killed a juggernaut
195417 | Zig:20   | Noticed a juggernaut
195417 | Zig:20   | Noticed a juggernaut
195417 | Zig:20   | Noticed a juggernaut
195418 | Zig:20   | Killed a juggernaut
195418 | Zig:20   | Killed a juggernaut
195418 | Zig:20   | Killed a juggernaut
195418 | Zig:20   | Killed a juggernaut
195419 | Zig:20   | Noticed a juggernaut
195419 | Zig:20   | Noticed a juggernaut
195420 | Zig:20   | Noticed a juggernaut
195421 | Zig:20   | Killed a juggernaut
195421 | Zig:20   | Killed a juggernaut
195422 | Zig:20   | Noticed a juggernaut
195422 | Zig:20   | Noticed a juggernaut
195422 | Zig:20   | Noticed a juggernaut
195424 | Zig:20   | Killed a juggernaut
195424 | Zig:20   | Killed a juggernaut
195424 | Zig:20   | Killed a juggernaut
195424 | Zig:20   | Killed a juggernaut
195424 | Zig:20   | Killed a juggernaut
195424 | Zig:20   | Noticed a juggernaut
195425 | Zig:20   | Killed a juggernaut
195425 | Zig:20   | Killed a juggernaut
195425 | Zig:20   | Killed a juggernaut
195425 | Zig:20   | Noticed a juggernaut
195425 | Zig:20   | Noticed a juggernaut
195426 | Zig:20   | Noticed a juggernaut
195428 | Zig:20   | Noticed a juggernaut
195428 | Zig:20   | Killed a juggernaut
195429 | Zig:20   | Noticed a juggernaut
195430 | Zig:20   | Killed a juggernaut
195430 | Zig:20   | Killed a juggernaut
195431 | Zig:20   | Killed a juggernaut
195431 | Zig:20   | Killed a juggernaut
195431 | Zig:20   | Killed a juggernaut
195992 | Zig:20   | Identified the +6 great mace of Ongypn {venom, rPois rC-
                  | Will+ Dex+3}
195996 | Zig:20   | Identified the +1 great mace of the Nurturing Coward
                  | {protect, rC+}
196010 | Zig:20   | Identified the +1 scimitar of Poverty {antimagic, ^Drain
                  | rF+ Will+ Str+3}
196059 | Zig:21   | Entered Level 21 of a ziggurat
196235 | Zig:21   | Identified the ring of Ignis's Envy {rF+ Dex+3 Slay+4 SInv}
196269 | Zig:21   | Identified the +5 falchion "Wont" {drain, rElec Dex+5}
196279 | Zig:21   | Identified the +8 hand cannon of Past Mistakes {antimagic,
                  | Fly rPois rC+ Dex-4}
196600 | Zig:22   | Entered Level 22 of a ziggurat
196643 | Zig:22   | Identified the +4 plate armour of Desodghim {Str+3}
197063 | Zig:22   | Identified the staff "Caugopt" {Str+4 Earth}
197147 | Zig:22   | Identified the +9 quarterstaff "Xutask" {flame, *Noise
                  | rN++}
197148 | Zig:22   | Identified the +2 flail "Doawouf" {speed, Will+}
197155 | Zig:22   | Identified the staff "Lioclorr" {rElec rF+ rC+ Str+4 Conj}
197167 | Zig:22   | Identified the amulet "Wuzy" {Reflect Rampage SH+5}
197246 | Zig:23   | Entered Level 23 of a ziggurat
197246 | Zig:23   | Noticed a royal mummy
197246 | Zig:23   | Noticed a royal mummy
197246 | Zig:23   | Noticed a royal mummy
197246 | Zig:23   | Noticed a royal mummy
197246 | Zig:23   | Noticed a royal mummy
197247 | Zig:23   | Killed a royal mummy
197247 | Zig:23   | Killed a royal mummy
197248 | Zig:23   | Noticed a royal mummy
197249 | Zig:23   | Killed a royal mummy
197249 | Zig:23   | Killed a royal mummy
197249 | Zig:23   | Killed a royal mummy
197249 | Zig:23   | Killed a royal mummy
197249 | Zig:23   | Noticed a royal mummy
197250 | Zig:23   | Noticed a royal mummy
197250 | Zig:23   | Noticed a royal mummy
197250 | Zig:23   | Noticed a royal mummy
197251 | Zig:23   | Killed a royal mummy
197251 | Zig:23   | Noticed a royal mummy
197252 | Zig:23   | Noticed a royal mummy
197252 | Zig:23   | Noticed a royal mummy
197252 | Zig:23   | Noticed a royal mummy
197252 | Zig:23   | Noticed a royal mummy
197253 | Zig:23   | Killed a royal mummy
197253 | Zig:23   | Killed a royal mummy
197253 | Zig:23   | Killed a royal mummy
197253 | Zig:23   | Killed a royal mummy
197253 | Zig:23   | Killed a royal mummy
197254 | Zig:23   | Noticed a royal mummy
197254 | Zig:23   | Noticed a royal mummy
197255 | Zig:23   | Killed a royal mummy
197255 | Zig:23   | Killed a royal mummy
197255 | Zig:23   | Killed a royal mummy
197255 | Zig:23   | Noticed a royal mummy
197255 | Zig:23   | Noticed a royal mummy
197256 | Zig:23   | Noticed a royal mummy
197257 | Zig:23   | Noticed a royal mummy
197258 | Zig:23   | Noticed a royal mummy
197259 | Zig:23   | Killed a royal mummy
197260 | Zig:23   | Killed a royal mummy
197260 | Zig:23   | Killed a royal mummy
197260 | Zig:23   | Killed a royal mummy
197260 | Zig:23   | Killed a royal mummy
197260 | Zig:23   | Noticed a royal mummy
197261 | Zig:23   | Killed a royal mummy
197261 | Zig:23   | Killed a royal mummy
197261 | Zig:23   | Noticed a royal mummy
197262 | Zig:23   | Noticed a royal mummy
197262 | Zig:23   | Noticed a royal mummy
197262 | Zig:23   | Noticed a royal mummy
197262 | Zig:23   | Noticed a royal mummy
197264 | Zig:23   | Noticed a royal mummy
197264 | Zig:23   | Noticed a royal mummy
197266 | Zig:23   | Noticed a royal mummy
197266 | Zig:23   | Noticed a royal mummy
197267 | Zig:23   | Killed a royal mummy
197267 | Zig:23   | Killed a royal mummy
197267 | Zig:23   | Killed a royal mummy
197267 | Zig:23   | Killed a royal mummy
197267 | Zig:23   | Killed a royal mummy
197267 | Zig:23   | Noticed a royal mummy
197269 | Zig:23   | Killed a royal mummy
197269 | Zig:23   | Killed a royal mummy
197269 | Zig:23   | Killed a royal mummy
197270 | Zig:23   | Killed a royal mummy
197270 | Zig:23   | Noticed a royal mummy
197270 | Zig:23   | Noticed a royal mummy
197270 | Zig:23   | Noticed a royal mummy
197270 | Zig:23   | Noticed a royal mummy
197271 | Zig:23   | Killed a royal mummy
197271 | Zig:23   | Killed a royal mummy
197271 | Zig:23   | Noticed a royal mummy
197272 | Zig:23   | Noticed a royal mummy
197272 | Zig:23   | Noticed a royal mummy
197272 | Zig:23   | Noticed a royal mummy
197272 | Zig:23   | Noticed a royal mummy
197272 | Zig:23   | Noticed a royal mummy
197272 | Zig:23   | Noticed a royal mummy
197273 | Zig:23   | Killed a royal mummy
197273 | Zig:23   | Killed a royal mummy
197273 | Zig:23   | Killed a royal mummy
197273 | Zig:23   | Killed a royal mummy
197273 | Zig:23   | Killed a royal mummy
197273 | Zig:23   | Noticed a royal mummy
197274 | Zig:23   | Killed a royal mummy
197274 | Zig:23   | Killed a royal mummy
197274 | Zig:23   | Killed a royal mummy
197274 | Zig:23   | Killed a royal mummy
197274 | Zig:23   | Killed a royal mummy
197274 | Zig:23   | Noticed a royal mummy
197275 | Zig:23   | Killed a royal mummy
197275 | Zig:23   | Killed a royal mummy
197276 | Zig:23   | Killed a royal mummy
197282 | Zig:23   | Noticed a royal mummy
197284 | Zig:23   | Noticed a royal mummy
197284 | Zig:23   | Noticed a royal mummy
197284 | Zig:23   | Noticed a royal mummy
197285 | Zig:23   | Killed a royal mummy
197285 | Zig:23   | Killed a royal mummy
197285 | Zig:23   | Killed a royal mummy
197285 | Zig:23   | Noticed a royal mummy
197285 | Zig:23   | Noticed a royal mummy
197286 | Zig:23   | Killed a royal mummy
197287 | Zig:23   | Noticed a royal mummy
197287 | Zig:23   | Noticed a royal mummy
197288 | Zig:23   | Killed a royal mummy
197288 | Zig:23   | Noticed a royal mummy
197289 | Zig:23   | Killed a royal mummy
197289 | Zig:23   | Killed a royal mummy
197289 | Zig:23   | Noticed a royal mummy
197290 | Zig:23   | Noticed a royal mummy
197292 | Zig:23   | Killed a royal mummy
197292 | Zig:23   | Noticed a royal mummy
197293 | Zig:23   | Killed a royal mummy
197293 | Zig:23   | Killed a royal mummy
197293 | Zig:23   | Killed a royal mummy
197295 | Zig:23   | Noticed a royal mummy
197297 | Zig:23   | Killed a royal mummy
197298 | Zig:23   | Noticed a royal mummy
197299 | Zig:23   | Killed a royal mummy
197300 | Zig:23   | Noticed a royal mummy
197300 | Zig:23   | Noticed a royal mummy
197300 | Zig:23   | Noticed a royal mummy
197301 | Zig:23   | Noticed a royal mummy
197302 | Zig:23   | Killed a royal mummy
197302 | Zig:23   | Noticed a royal mummy
197303 | Zig:23   | Killed a royal mummy
197303 | Zig:23   | Killed a royal mummy
197303 | Zig:23   | Killed a royal mummy
197303 | Zig:23   | Noticed a royal mummy
197304 | Zig:23   | Killed a royal mummy
197304 | Zig:23   | Noticed a royal mummy
197306 | Zig:23   | Killed a royal mummy
197306 | Zig:23   | Noticed a royal mummy
197307 | Zig:23   | Killed a royal mummy
197308 | Zig:23   | Killed a royal mummy
197308 | Zig:23   | Noticed a royal mummy
197308 | Zig:23   | Noticed a royal mummy
197309 | Zig:23   | Noticed a royal mummy
197310 | Zig:23   | Killed a royal mummy
197312 | Zig:23   | Killed a royal mummy
197312 | Zig:23   | Killed a royal mummy
197312 | Zig:23   | Noticed a royal mummy
197313 | Zig:23   | Noticed a royal mummy
197313 | Zig:23   | Noticed a royal mummy
197315 | Zig:23   | Noticed a royal mummy
197316 | Zig:23   | Killed a royal mummy
197316 | Zig:23   | Killed a royal mummy
197317 | Zig:23   | Killed a royal mummy
197318 | Zig:23   | Killed a royal mummy
197318 | Zig:23   | Killed a royal mummy
197319 | Zig:23   | Noticed a royal mummy
197319 | Zig:23   | Noticed a royal mummy
197319 | Zig:23   | Noticed a royal mummy
197320 | Zig:23   | Noticed a royal mummy
197321 | Zig:23   | Killed a royal mummy
197321 | Zig:23   | Killed a royal mummy
197322 | Zig:23   | Noticed a royal mummy
197323 | Zig:23   | Killed a royal mummy
197324 | Zig:23   | Noticed a royal mummy
197325 | Zig:23   | Killed a royal mummy
197327 | Zig:23   | Killed a royal mummy
197329 | Zig:23   | Killed a royal mummy
197366 | Zig:23   | Identified the staff of Disharmony {Int-5 Conj Hexes Necro}
197368 | Zig:23   | Identified the +0 ring mail of Janip {Will+ Regen+ Slay+2}
197372 | Zig:23   | Identified the staff of the Toadstool {rF++ rC+ Ice}
197386 | Zig:23   | Identified the +10 great sword "Toavanin" {protect, Will+}
197805 | Zig:24   | Entered Level 24 of a ziggurat
197851 | Zig:24   | Identified the amulet "Bijo" {Spirit Int+4 Dex+2}
198090 | Zig:24   | Identified the ring "Nixedgh" {Fire +Blink Stlth+}
198263 | Zig:24   | Identified the +5 dagger "Ritoup" {protect, Dex+4}
198341 | Zig:24   | Identified the staff "Killer Bee's Foe" {Fly Int+5 Dex-2
                  | Conj Earth}
198350 | Zig:24   | Identified the ring "Upra" {Wiz rElec}
198359 | Zig:24   | Identified the +10 dagger "Qaolap" {venom, rPois rC+ Will+}
198362 | Zig:24   | Identified the +10 quarterstaff of the Sheltering Augurer
                  | {protect, rPois rN+ Will- rCorr}
198370 | Zig:24   | Identified the +4 falchion of Gallantry {chaos, rElec rC-
                  | SInv Stlth+}
198372 | Zig:24   | Identified the +10 quarterstaff of the Crypt {flame, rC-
                  | rN++ rCorr Dex+2}
198403 | Zig:24   | Identified the amulet "Muuschifam" {Faith Rampage Str+3
                  | Dex+2}
198456 | Zig:25   | Entered Level 25 of a ziggurat
198463 | Zig:25   | Noticed Kafia the pandemonium lord
198463 | Zig:25   | Noticed Cattusch the pandemonium lord
198464 | Zig:25   | Noticed Ygiqoaze the pandemonium lord
198465 | Zig:25   | Noticed Coleowy the pandemonium lord
198466 | Zig:25   | Killed Cattusch the pandemonium lord
198467 | Zig:25   | Killed Kafia the pandemonium lord
198467 | Zig:25   | Killed Coleowy the pandemonium lord
198467 | Zig:25   | Noticed Jogoc the pandemonium lord
198468 | Zig:25   | Noticed Feas the pandemonium lord
198468 | Zig:25   | Noticed Naon the pandemonium lord
198468 | Zig:25   | Noticed Wiwnotso the pandemonium lord
198468 | Zig:25   | Noticed Zunulygh the pandemonium lord
198470 | Zig:25   | Killed Ygiqoaze the pandemonium lord
198470 | Zig:25   | Killed Zunulygh the pandemonium lord
198470 | Zig:25   | Noticed Zoagufewk the pandemonium lord
198470 | Zig:25   | Noticed Xyaxif the pandemonium lord
198470 | Zig:25   | Noticed Wiwof the pandemonium lord
198471 | Zig:25   | Noticed Jog Jeru the pandemonium lord
198471 | Zig:25   | Killed Jogoc the pandemonium lord
198471 | Zig:25   | Killed Naon the pandemonium lord
198471 | Zig:25   | Noticed Fugyet Cubb the pandemonium lord
198472 | Zig:25   | Noticed Yninn the pandemonium lord
198472 | Zig:25   | Noticed Xiuthiokk the pandemonium lord
198472 | Zig:25   | Noticed Durhof the pandemonium lord
198472 | Zig:25   | Noticed Wuryil the pandemonium lord
198472 | Zig:25   | Noticed Rutaohey the pandemonium lord
198472 | Zig:25   | Killed Jog Jeru the pandemonium lord
198472 | Zig:25   | Killed Rutaohey the pandemonium lord
198474 | Zig:25   | Killed Wuryil the pandemonium lord
198474 | Zig:25   | Killed Xiuthiokk the pandemonium lord
198475 | Zig:25   | Killed Zoagufewk the pandemonium lord
198475 | Zig:25   | Killed Feas the pandemonium lord
198475 | Zig:25   | Killed Wiwof the pandemonium lord
198475 | Zig:25   | Noticed Riantuh the pandemonium lord
198475 | Zig:25   | Noticed Coduy the pandemonium lord
198476 | Zig:25   | Noticed Bemiph the pandemonium lord
198477 | Zig:25   | Killed Fugyet Cubb the pandemonium lord
198477 | Zig:25   | Killed Durhof the pandemonium lord
198477 | Zig:25   | Noticed Ogavakhluguo the pandemonium lord
198478 | Zig:25   | Noticed Haixtic the pandemonium lord
198478 | Zig:25   | Killed Yninn the pandemonium lord
198478 | Zig:25   | Noticed Hymirchiga the pandemonium lord
198479 | Zig:25   | Noticed Wouter the pandemonium lord
198480 | Zig:25   | Noticed Fuzoero the pandemonium lord
198481 | Zig:25   | Killed Haixtic the pandemonium lord
198481 | Zig:25   | Noticed Suumif the pandemonium lord
198481 | Zig:25   | Noticed Ikhoasuame the pandemonium lord
198482 | Zig:25   | Killed Coduy the pandemonium lord
198482 | Zig:25   | Killed Hymirchiga the pandemonium lord
198482 | Zig:25   | Killed Wiwnotso the pandemonium lord
198482 | Zig:25   | Killed Wouter the pandemonium lord
198482 | Zig:25   | Killed Fuzoero the pandemonium lord
198482 | Zig:25   | Killed Ogavakhluguo the pandemonium lord
198482 | Zig:25   | Noticed Jabraboe the pandemonium lord
198483 | Zig:25   | Noticed Ziq Zot the pandemonium lord
198483 | Zig:25   | Noticed Suunyesk the pandemonium lord
198484 | Zig:25   | Noticed Voitaol the pandemonium lord
198484 | Zig:25   | Killed Xyaxif the pandemonium lord
198484 | Zig:25   | Noticed Dubis the pandemonium lord
198484 | Zig:25   | Killed Yfa Igu the pandemonium lord
198484 | Zig:25   | Noticed Muut Ini the pandemonium lord
198485 | Zig:25   | Noticed Tehaluol the pandemonium lord
198485 | Zig:25   | Noticed Niebeuni the pandemonium lord
198485 | Zig:25   | Noticed Awoitawkai the pandemonium lord
198485 | Zig:25   | Noticed Liqiampa the pandemonium lord
198486 | Zig:25   | Noticed Qehifock the pandemonium lord
198487 | Zig:25   | Killed Jabraboe the pandemonium lord
198487 | Zig:25   | Noticed Masoukut the pandemonium lord
198488 | Zig:25   | Killed Ziq Zot the pandemonium lord
198488 | Zig:25   | Killed Qehifock the pandemonium lord
198488 | Zig:25   | Noticed Jorutt the pandemonium lord
198488 | Zig:25   | Noticed Wulamuz the pandemonium lord
198489 | Zig:25   | Killed Suumif the pandemonium lord
198489 | Zig:25   | Killed Bemiph the pandemonium lord
198489 | Zig:25   | Killed Liqiampa the pandemonium lord
198489 | Zig:25   | Killed Muut Ini the pandemonium lord
198489 | Zig:25   | Killed Tehaluol the pandemonium lord
198489 | Zig:25   | Killed Masoukut the pandemonium lord
198489 | Zig:25   | Noticed Nerghih the pandemonium lord
198489 | Zig:25   | Killed Suunyesk the pandemonium lord
198490 | Zig:25   | Noticed Bookk the pandemonium lord
198490 | Zig:25   | Noticed Cicik the pandemonium lord
198490 | Zig:25   | Killed Ikhoasuame the pandemonium lord
198490 | Zig:25   | Killed Niebeuni the pandemonium lord
198491 | Zig:25   | Killed Awoitawkai the pandemonium lord
198491 | Zig:25   | Killed Wulamuz the pandemonium lord
198491 | Zig:25   | Killed Voitaol the pandemonium lord
198491 | Zig:25   | Killed Nerghih the pandemonium lord
198493 | Zig:25   | Noticed Odus the pandemonium lord
198493 | Zig:25   | Noticed Yroet the pandemonium lord
198494 | Zig:25   | Noticed Peimaneb the pandemonium lord
198496 | Zig:25   | Killed Riantuh the pandemonium lord
198497 | Zig:25   | Killed Odus the pandemonium lord
198497 | Zig:25   | Killed Bookk the pandemonium lord
198497 | Zig:25   | Killed Jorutt the pandemonium lord
198497 | Zig:25   | Killed Dubis the pandemonium lord
198497 | Zig:25   | Noticed Cedd the pandemonium lord
198497 | Zig:25   | Noticed Cesukhlopp the pandemonium lord
198498 | Zig:25   | Killed Yroet the pandemonium lord
198498 | Zig:25   | Noticed Aratutyz the pandemonium lord
198498 | Zig:25   | Noticed Udemen the pandemonium lord
198498 | Zig:25   | Noticed Fashreg the pandemonium lord
198499 | Zig:25   | Killed Cicik the pandemonium lord
198499 | Zig:25   | Noticed Uxeciot the pandemonium lord
198500 | Zig:25   | Killed Cesukhlopp the pandemonium lord
198502 | Zig:25   | Noticed Izosuf Lausch the pandemonium lord
198502 | Zig:25   | Noticed Macahoply the pandemonium lord
198502 | Zig:25   | Noticed Jurphiqye the pandemonium lord
198503 | Zig:25   | Killed Fashreg the pandemonium lord
198503 | Zig:25   | Killed Udemen the pandemonium lord
198503 | Zig:25   | Killed Peimaneb the pandemonium lord
198503 | Zig:25   | Killed Uxeciot the pandemonium lord
198503 | Zig:25   | Noticed Ujaumnah the pandemonium lord
198503 | Zig:25   | Noticed Zoythegu the pandemonium lord
198503 | Zig:25   | Killed Macahoply the pandemonium lord
198503 | Zig:25   | Noticed Oxzaeru the pandemonium lord
198503 | Zig:25   | Noticed Raboel the pandemonium lord
198505 | Zig:25   | Killed Izosuf Lausch the pandemonium lord
198505 | Zig:25   | Killed Jurphiqye the pandemonium lord
198505 | Zig:25   | Killed Oxzaeru the pandemonium lord
198505 | Zig:25   | Killed Aratutyz the pandemonium lord
198505 | Zig:25   | Noticed Qutiwky the pandemonium lord
198505 | Zig:25   | Killed Usmin the pandemonium lord
198505 | Zig:25   | Killed Doikoc the pandemonium lord
198505 | Zig:25   | Noticed Kedemmif the pandemonium lord
198505 | Zig:25   | Noticed Mer Wua the pandemonium lord
198507 | Zig:25   | Noticed Addyg the pandemonium lord
198507 | Zig:25   | Noticed Puyfidd the pandemonium lord
198507 | Zig:25   | Noticed Zini the pandemonium lord
198508 | Zig:25   | Noticed Xaabuiri the pandemonium lord
198508 | Zig:25   | Noticed Pekhooh the pandemonium lord
198508 | Zig:25   | Killed Ujaumnah the pandemonium lord
198508 | Zig:25   | Killed Zoythegu the pandemonium lord
198508 | Zig:25   | Noticed Kamemin the pandemonium lord
198508 | Zig:25   | Noticed Doahimy the pandemonium lord
198508 | Zig:25   | Noticed Golaf the pandemonium lord
198516 | Zig:25   | Killed Golaf the pandemonium lord
198517 | Zig:25   | Killed Qutiwky the pandemonium lord
198517 | Zig:25   | Noticed Gegialeo the pandemonium lord
198518 | Zig:25   | Noticed Puunly the pandemonium lord
198519 | Zig:25   | Killed Xaabuiri the pandemonium lord
198519 | Zig:25   | Noticed Qeosudegg the pandemonium lord
198520 | Zig:25   | Killed Raboel the pandemonium lord
198522 | Zig:25   | Killed Puyfidd the pandemonium lord
198522 | Zig:25   | Killed Mer Wua the pandemonium lord
198522 | Zig:25   | Killed Zini the pandemonium lord
198522 | Zig:25   | Killed Qeosudegg the pandemonium lord
198522 | Zig:25   | Killed Kedemmif the pandemonium lord
198522 | Zig:25   | Noticed Kolaj the pandemonium lord
198522 | Zig:25   | Noticed Luentusch the pandemonium lord
198523 | Zig:25   | Noticed Retacs Tiuda the pandemonium lord
198524 | Zig:25   | Killed Cedd the pandemonium lord
198524 | Zig:25   | Killed Kamemin the pandemonium lord
198525 | Zig:25   | Noticed Irocaimo the pandemonium lord
198526 | Zig:25   | Killed Pekhooh the pandemonium lord
198526 | Zig:25   | Killed Retacs Tiuda the pandemonium lord
198526 | Zig:25   | Killed Gegialeo the pandemonium lord
198526 | Zig:25   | Killed Doahimy the pandemonium lord
198526 | Zig:25   | Noticed Qilax the pandemonium lord
198526 | Zig:25   | Noticed Odghoc the pandemonium lord
198527 | Zig:25   | Killed Luentusch the pandemonium lord
198527 | Zig:25   | Killed Puunly the pandemonium lord
198527 | Zig:25   | Killed Kolaj the pandemonium lord
198528 | Zig:25   | Killed Addyg the pandemonium lord
198528 | Zig:25   | Noticed Qoof the pandemonium lord
198528 | Zig:25   | Noticed Teivvoth the pandemonium lord
198528 | Zig:25   | Noticed Neonkur the pandemonium lord
198529 | Zig:25   | Killed Qilax the pandemonium lord
198529 | Zig:25   | Noticed Zefi the pandemonium lord
198530 | Zig:25   | Killed Irocaimo the pandemonium lord
198530 | Zig:25   | Killed Qoof the pandemonium lord
198530 | Zig:25   | Noticed Guvymm the pandemonium lord
198530 | Zig:25   | Noticed Xeupp the pandemonium lord
198531 | Zig:25   | Killed Teivvoth the pandemonium lord
198531 | Zig:25   | Killed Odghoc the pandemonium lord
198532 | Zig:25   | Noticed Citoeppub the pandemonium lord
198532 | Zig:25   | Noticed Dusu the pandemonium lord
198532 | Zig:25   | Killed Zefi the pandemonium lord
198532 | Zig:25   | Killed Xeupp the pandemonium lord
198532 | Zig:25   | Killed Neonkur the pandemonium lord
198532 | Zig:25   | Noticed Piqicy the pandemonium lord
198533 | Zig:25   | Noticed Zeav the pandemonium lord
198533 | Zig:25   | Noticed Plog the pandemonium lord
198534 | Zig:25   | Noticed Qaniso Purph the pandemonium lord
198534 | Zig:25   | Killed Dusu the pandemonium lord
198534 | Zig:25   | Noticed Nepusit the pandemonium lord
198535 | Zig:25   | Noticed Xiweukho the pandemonium lord
198537 | Zig:25   | Killed Guvymm the pandemonium lord
198537 | Zig:25   | Killed Plog the pandemonium lord
198537 | Zig:25   | Noticed Buoroorph the pandemonium lord
198538 | Zig:25   | Killed Qaniso Purph the pandemonium lord
198538 | Zig:25   | Killed Citoeppub the pandemonium lord
198538 | Zig:25   | Noticed Mewi the pandemonium lord
198539 | Zig:25   | Killed Nepusit the pandemonium lord
198539 | Zig:25   | Killed Piqicy the pandemonium lord
198539 | Zig:25   | Killed Zeav the pandemonium lord
198539 | Zig:25   | Noticed Fojecyuw the pandemonium lord
198540 | Zig:25   | Killed Xiweukho the pandemonium lord
198540 | Zig:25   | Killed Buoroorph the pandemonium lord
198540 | Zig:25   | Noticed Bosy the pandemonium lord
198540 | Zig:25   | Noticed Amemego the pandemonium lord
198541 | Zig:25   | Killed Mewi the pandemonium lord
198542 | Zig:25   | Killed Fojecyuw the pandemonium lord
198542 | Zig:25   | Killed Amemego the pandemonium lord
198543 | Zig:25   | Killed Bosy the pandemonium lord
198543 | Zig:25   | Noticed Foewyg the pandemonium lord
198545 | Zig:25   | Noticed Zyghoeh the pandemonium lord
198546 | Zig:25   | Killed Foewyg the pandemonium lord
198546 | Zig:25   | Noticed Kuol the pandemonium lord
198549 | Zig:25   | Killed Kuol the pandemonium lord
198549 | Zig:25   | Noticed Racsux the pandemonium lord
198551 | Zig:25   | Noticed Zufengi the pandemonium lord
198551 | Zig:25   | Noticed Hesasi the pandemonium lord
198552 | Zig:25   | Noticed Plog the pandemonium lord
198553 | Zig:25   | Killed Zyghoeh the pandemonium lord
198553 | Zig:25   | Noticed Vehyisot the pandemonium lord
198554 | Zig:25   | Killed Racsux the pandemonium lord
198554 | Zig:25   | Killed Zufengi the pandemonium lord
198554 | Zig:25   | Noticed Zurulu the pandemonium lord
198555 | Zig:25   | Killed Plog the pandemonium lord
198555 | Zig:25   | Killed Vehyisot the pandemonium lord
198555 | Zig:25   | Killed Hesasi the pandemonium lord
198556 | Zig:25   | Noticed Myicirgha the pandemonium lord
198557 | Zig:25   | Killed Zurulu the pandemonium lord
198559 | Zig:25   | Noticed Xuphun the pandemonium lord
198561 | Zig:25   | Noticed Votzixiff the pandemonium lord
198563 | Zig:25   | Killed Xuphun the pandemonium lord
198563 | Zig:25   | Killed Myicirgha the pandemonium lord
198564 | Zig:25   | Noticed Linyc the pandemonium lord
198566 | Zig:25   | Noticed Uclucw the pandemonium lord
198568 | Zig:25   | Killed Linyc the pandemonium lord
198569 | Zig:25   | Killed Votzixiff the pandemonium lord
198569 | Zig:25   | Killed Uclucw the pandemonium lord
198570 | Zig:25   | Noticed Esazxong the pandemonium lord
198570 | Zig:25   | Noticed Parghavai the pandemonium lord
198570 | Zig:25   | Noticed Xuuze the pandemonium lord
198571 | Zig:25   | Noticed Qyogrewk the pandemonium lord
198571 | Zig:25   | Noticed Joamaim the pandemonium lord
198572 | Zig:25   | Killed Esazxong the pandemonium lord
198572 | Zig:25   | Killed Xuuze the pandemonium lord
198572 | Zig:25   | Killed Joamaim the pandemonium lord
198576 | Zig:25   | Killed Qyogrewk the pandemonium lord
198576 | Zig:25   | Killed Parghavai the pandemonium lord
198577 | Zig:25   | Noticed Emocyf the pandemonium lord
198582 | Zig:25   | Killed Emocyf the pandemonium lord
198897 | Zig:25   | Identified the ring of Tanano {rN++ AC+4 Dex-2 SInv Stlth+}
198899 | Zig:25   | Identified the +4 chain mail "Ofomag" {Harm Rampage Int+5}
198901 | Zig:25   | Identified the +3 lajatang of Xom {venom, Str+2}
198907 | Zig:25   | Identified the ring of Tefemuc {Wiz Int+3}
198913 | Zig:25   | Identified the +0 pair of gloves "Nooxzac" {*Corrode rElec
                  | Str+2 Stlth+}
198932 | Zig:25   | Identified the +6 chain mail of Ohadunag {+Inv Str+3}
198938 | Zig:25   | Identified the amulet "Vityeh" {Spirit rElec Will- Dex+5
                  | SInv}
198971 | Zig:26   | Entered Level 26 of a ziggurat
199458 | Zig:26   | Acquired the +2 helmet "Ruafigel" {rF+ rC+ Str+4}
199473 | Zig:26   | Identified the +4 shortbow "Murmur" {antimagic, rPois SInv}
199481 | Zig:26   | Identified the staff of Xaah {rF+ rC+ Fire}
199487 | Zig:26   | Identified the +2 battleaxe "Peahexod" {drain, rC+ Int+4}
199491 | Zig:26   | Identified the +3 leather armour of the Lonely Brambles
                  | {Harm rElec Str+3}
199538 | Zig:26   | Identified the amulet "Mitaw" {RegenMP rC+ rN+}
199563 | Zig:26   | Identified the +6 plate armour of Optimism {Will+}
199570 | Zig:26   | Identified the ring of Moodiness {rN+ Will+ Int+2}
199574 | Zig:26   | Identified the +6 chain mail of Fiaj {Fly rF++}
199575 | Zig:26   | Identified the +8 great mace of Zetsec {spect, Will+ Int+2
                  | SInv}
199589 | Zig:26   | Identified the +6 shortbow of Heddeasoch {drain, rElec
                  | rPois rC+ Dex-3}
199752 | Zig:27   | Entered Level 27 of a ziggurat
199790 | Zig:27   | Noticed an ancient lich
199791 | Zig:27   | Killed an ancient lich
199791 | Zig:27   | Noticed an ancient lich
199794 | Zig:27   | Killed an ancient lich
199828 | Zig:27   | Noticed an ancient lich
199829 | Zig:27   | Killed an ancient lich
200129 | Zig:27   | Identified the +4 scimitar "Ryluw" {drain, rElec Str+4
                  | Int-4 SInv}
200142 | Zig:27   | Identified the ring of the Present {Fly rPois Str-5 Stlth+}
200144 | Zig:27   | Identified the amulet "Folut" {Faith Will+ Int+3 Dex-5}
200159 | Zig:27   | Identified the +0 chain mail of Hotzesk {rF+}
200173 | Zig:27   | Identified the ring of Equivalence {rElec rN+++ MP+9 Str-2
                  | Dex+2}
200199 | Zig:27   | Identified the ring of Descent {rPois rF- rN+ Slay+4}
200201 | Zig:27   | Identified the staff "Ucire" {rPois rN+ Necro}
200209 | Zig:27   | Identified the +5 great mace "Fiodgh" {freeze, rC- Will+
                  | Dex+6}
200210 | Zig:27   | Identified the +6 short sword of Kierr {pain, +Blink rC+
                  | rCorr Stlth-}
200501 | Depths:3 | Lost mutation: You have supernaturally acute eyesight.
                  | (SInv) [potion of mutation]
200501 | Depths:3 | Lost mutation: You possess an exceptional clarity of mind.
                  | [potion of mutation]
200501 | Depths:3 | Gained mutation: You have large cloven feet. [potion of
                  | mutation]
200502 | Depths:3 | Lost mutation: Your flesh is cold resistant. (rC+) [potion
                  | of mutation]
200502 | Depths:3 | Lost mutation: You have large cloven feet. [potion of
                  | mutation]
200502 | Depths:3 | Gained mutation: You have hidden genetic defects. [potion
                  | of mutation]
200503 | Depths:3 | Lost mutation: You have hidden genetic defects. [potion of
                  | mutation]
200503 | Depths:3 | Lost mutation: You passively map a small area around you.
                  | [potion of mutation]
200503 | Depths:3 | Gained mutation: You have a pair of small horns on your
                  | head. [potion of mutation]
200503 | Depths:3 | Gained mutation: Your skin changes colour to match your
                  | surroundings (Stealth+). [potion of mutation]
200504 | Depths:3 | Lost mutation: Your skin changes colour to match your
                  | surroundings (Stealth+). [potion of mutation]
200504 | Depths:3 | Lost mutation: You have a pair of small horns on your head.
                  | [potion of mutation]
200504 | Depths:3 | Gained mutation: You occasionally lose the ability to drink
                  | potions when taking damage. [potion of mutation]
200504 | Depths:3 | Gained mutation: Your health recovers twice as slowly from
                  | being drained. [potion of mutation]
200504 | Depths:3 | Gained mutation: You have large cloven feet. [potion of
                  | mutation]
200505 | Depths:3 | Lost mutation: You occasionally lose the ability to drink
                  | potions when taking damage. [potion of mutation]
200505 | Depths:3 | Lost mutation: Your health recovers twice as slowly from
                  | being drained. [potion of mutation]
200505 | Depths:3 | Gained mutation: Your health recovers twice as slowly from
                  | being drained. [potion of mutation]
200505 | Depths:3 | Gained mutation: You passively map a small area around you.
                  | [potion of mutation]
200506 | Depths:3 | Lost mutation: You have large cloven feet. [potion of
                  | mutation]
200506 | Depths:3 | Lost mutation: Your health recovers twice as slowly from
                  | being drained. [potion of mutation]
200506 | Depths:3 | Lost mutation: You passively map a small area around you.
                  | [potion of mutation]
200506 | Depths:3 | Gained mutation: You are partially covered in iridescent
                  | scales. (AC +2) [potion of mutation]
200506 | Depths:3 | Gained mutation: Your spells are a little harder to cast,
                  | but a little more powerful. [potion of mutation]
200507 | Depths:3 | Lost mutation: Your spells are a little harder to cast, but
                  | a little more powerful. [potion of mutation]
200507 | Depths:3 | Lost mutation: You are partially covered in iridescent
                  | scales. (AC +2) [potion of mutation]
200507 | Depths:3 | Gained mutation: You occasionally lose the ability to drink
                  | potions when taking damage. [potion of mutation]
200507 | Depths:3 | Gained mutation: You are partially covered in iridescent
                  | scales. (AC +2) [potion of mutation]
200508 | Depths:3 | Lost mutation: You occasionally lose the ability to drink
                  | potions when taking damage. [potion of mutation]
200508 | Depths:3 | Lost mutation: You are partially covered in iridescent
                  | scales. (AC +2) [potion of mutation]
200508 | Depths:3 | Gained mutation: Your spells are a little harder to cast,
                  | but a little more powerful. [potion of mutation]
200508 | Depths:3 | Gained mutation: You passively map a small area around you.
                  | [potion of mutation]
200508 | Depths:3 | Gained mutation: You are partially covered in large bone
                  | plates. (SH +4) [potion of mutation]
200509 | Depths:3 | Lost mutation: You are partially covered in large bone
                  | plates. (SH +4) [potion of mutation]
200509 | Depths:3 | Lost mutation: Your spells are a little harder to cast, but
                  | a little more powerful. [potion of mutation]
200509 | Depths:3 | Gained mutation: You have a somewhat thin skeletal
                  | structure. (Dex +2, Stealth+) [potion of mutation]
200510 | Depths:3 | Lost mutation: You passively map a small area around you.
                  | [potion of mutation]
200510 | Depths:3 | Lost mutation: You have a somewhat thin skeletal structure.
                  | (Dex +2, Stealth+) [potion of mutation]
200510 | Depths:3 | Gained mutation: You are partially covered in iridescent
                  | scales. (AC +2) [potion of mutation]
200510 | Depths:3 | Gained mutation: Your spells are a little easier to cast,
                  | but a little less powerful. [potion of mutation]
200510 | Depths:3 | Gained mutation: You have supernaturally acute eyesight.
                  | (SInv) [potion of mutation]
200511 | Depths:3 | Lost mutation: You are partially covered in iridescent
                  | scales. (AC +2) [potion of mutation]
200511 | Depths:3 | Lost mutation: Your spells are a little easier to cast, but
                  | a little less powerful. [potion of mutation]
200511 | Depths:3 | Lost mutation: You have supernaturally acute eyesight.
                  | (SInv) [potion of mutation]
200511 | Depths:3 | Gained mutation: You are partially covered in iridescent
                  | scales. (AC +2) [potion of mutation]
200511 | Depths:3 | Gained mutation: You have a somewhat thin skeletal
                  | structure. (Dex +2, Stealth+) [potion of mutation]
200512 | Depths:3 | Lost mutation: You have a somewhat thin skeletal structure.
                  | (Dex +2, Stealth+) [potion of mutation]
200512 | Depths:3 | Lost mutation: You are partially covered in iridescent
                  | scales. (AC +2) [potion of mutation]
200512 | Depths:3 | Gained mutation: You have a pair of small horns on your
                  | head. [potion of mutation]
200512 | Depths:3 | Gained mutation: Armour fits poorly on your strangely
                  | shaped body. [potion of mutation]
200512 | Depths:3 | Gained mutation: Your muscles are strong. (Str +4, Int/Dex
                  | -1) [potion of mutation]
200512 | Depths:3 | Gained mutation: Your skin changes colour to match your
                  | surroundings (Stealth+). [potion of mutation]
200513 | Depths:3 | Lost mutation: You have a pair of small horns on your head.
                  | [potion of mutation]
200513 | Depths:3 | Lost mutation: Your skin changes colour to match your
                  | surroundings (Stealth+). [potion of mutation]
200513 | Depths:3 | Gained mutation: You have hidden genetic potential. [potion
                  | of mutation]
200513 | Depths:3 | Gained mutation: Your body sometimes deteriorates upon
                  | taking damage. [potion of mutation]
200513 | Depths:3 | Lost mutation: You have hidden genetic potential. [potion
                  | of mutation]
200514 | Depths:3 | Lost mutation: Your body sometimes deteriorates upon taking
                  | damage. [potion of mutation]
200514 | Depths:3 | Lost mutation: Your muscles are strong. (Str +4, Int/Dex
                  | -1) [potion of mutation]
200514 | Depths:3 | Lost mutation: Armour fits poorly on your strangely shaped
                  | body. [potion of mutation]
200514 | Depths:3 | Gained mutation: You are partially covered in iridescent
                  | scales. (AC +2) [potion of mutation]
200514 | Depths:3 | Gained mutation: You are mostly covered in iridescent
                  | scales. (AC +4) [potion of mutation]
200515 | Depths:3 | Lost mutation: You are mostly covered in iridescent scales.
                  | (AC +4) [potion of mutation]
200515 | Depths:3 | Lost mutation: You are partially covered in iridescent
                  | scales. (AC +2) [potion of mutation]
200515 | Depths:3 | Gained mutation: You possess an exceptional clarity of
                  | mind. [potion of mutation]
200515 | Depths:3 | Gained mutation: You have hidden genetic potential. [potion
                  | of mutation]
200516 | Depths:3 | Lost mutation: You have hidden genetic potential. [potion
                  | of mutation]
200516 | Depths:3 | Lost mutation: You possess an exceptional clarity of mind.
                  | [potion of mutation]
200516 | Depths:3 | Gained mutation: You are robust. (+10% HP) [potion of
                  | mutation]
200516 | Depths:3 | Gained mutation: Your natural rate of healing is unusually
                  | fast. [potion of mutation]
200517 | Depths:3 | Lost mutation: Your natural rate of healing is unusually
                  | fast. [potion of mutation]
200517 | Depths:3 | Lost mutation: You are robust. (+10% HP) [potion of
                  | mutation]
200517 | Depths:3 | Gained mutation: Your muscles are strong. (Str +4, Int/Dex
                  | -1) [potion of mutation]
200518 | Depths:3 | Lost mutation: Your muscles are strong. (Str +4, Int/Dex
                  | -1) [potion of mutation]
200518 | Depths:3 | Gained mutation: You have a pair of small horns on your
                  | head. [potion of mutation]
200518 | Depths:3 | Gained mutation: You have a somewhat thin skeletal
                  | structure. (Dex +2, Stealth+) [potion of mutation]
200518 | Depths:3 | Gained mutation: Your mind is acute. (Int +4, Str/Dex -1)
                  | [potion of mutation]
200518 | Depths:3 | Gained mutation: You are partially covered in large bone
                  | plates. (SH +4) [potion of mutation]
200519 | Depths:3 | Lost mutation: You have a pair of small horns on your head.
                  | [potion of mutation]
200519 | Depths:3 | Lost mutation: You are partially covered in large bone
                  | plates. (SH +4) [potion of mutation]
200519 | Depths:3 | Gained mutation: Your spells are a little easier to cast,
                  | but a little less powerful. [potion of mutation]
200519 | Depths:3 | Gained mutation: You have supernaturally acute eyesight.
                  | (SInv) [potion of mutation]
200520 | Depths:3 | Lost mutation: You have supernaturally acute eyesight.
                  | (SInv) [potion of mutation]
200520 | Depths:3 | Lost mutation: You have a somewhat thin skeletal structure.
                  | (Dex +2, Stealth+) [potion of mutation]
200520 | Depths:3 | Lost mutation: Your mind is acute. (Int +4, Str/Dex -1)
                  | [potion of mutation]
200520 | Depths:3 | Gained mutation: You expend magic power (3 MP) to
                  | strengthen your wands. [potion of mutation]
200520 | Depths:3 | Gained mutation: You have a pair of small horns on your
                  | head. [potion of mutation]
200521 | Depths:3 | Lost mutation: Your spells are a little easier to cast, but
                  | a little less powerful. [potion of mutation]
200521 | Depths:3 | Lost mutation: You expend magic power (3 MP) to strengthen
                  | your wands. [potion of mutation]
200521 | Depths:3 | Lost mutation: You have a pair of small horns on your head.
                  | [potion of mutation]
200521 | Depths:3 | Gained mutation: You have a pair of small horns on your
                  | head. [potion of mutation]
200521 | Depths:3 | Gained mutation: You possess an exceptional clarity of
                  | mind. [potion of mutation]
200521 | Depths:3 | Gained mutation: You have supernaturally acute eyesight.
                  | (SInv) [potion of mutation]
200522 | Depths:3 | Lost mutation: You have a pair of small horns on your head.
                  | [potion of mutation]
200522 | Depths:3 | Lost mutation: You have supernaturally acute eyesight.
                  | (SInv) [potion of mutation]
200522 | Depths:3 | Lost mutation: You possess an exceptional clarity of mind.
                  | [potion of mutation]
200522 | Depths:3 | Gained mutation: Your mind is acute. (Int +4, Str/Dex -1)
                  | [potion of mutation]
200522 | Depths:3 | Gained mutation: Your spells are a little easier to cast,
                  | but a little less powerful. [potion of mutation]
200522 | Depths:3 | Gained mutation: You are partially covered in iridescent
                  | scales. (AC +2) [potion of mutation]
200523 | Depths:3 | Lost mutation: Your spells are a little easier to cast, but
                  | a little less powerful. [potion of mutation]
200523 | Depths:3 | Lost mutation: Your mind is acute. (Int +4, Str/Dex -1)
                  | [potion of mutation]
200523 | Depths:3 | Gained mutation: Armour fits poorly on your strangely
                  | shaped body. [potion of mutation]
200523 | Depths:3 | Gained mutation: Your flesh is heat resistant. (rF+)
                  | [potion of mutation]
200523 | Depths:3 | Gained mutation: You possess an exceptional clarity of
                  | mind. [potion of mutation]
200524 | Depths:3 | Lost mutation: You possess an exceptional clarity of mind.
                  | [potion of mutation]
200524 | Depths:3 | Lost mutation: Your flesh is heat resistant. (rF+) [potion
                  | of mutation]
200524 | Depths:3 | Lost mutation: You are partially covered in iridescent
                  | scales. (AC +2) [potion of mutation]
200524 | Depths:3 | Gained mutation: You are partially covered in iridescent
                  | scales. (AC +2) [potion of mutation]
200524 | Depths:3 | Gained mutation: Your mind is acute. (Int +4, Str/Dex -1)
                  | [potion of mutation]
200525 | Depths:3 | Lost mutation: Your mind is acute. (Int +4, Str/Dex -1)
                  | [potion of mutation]
200525 | Depths:3 | Lost mutation: Armour fits poorly on your strangely shaped
                  | body. [potion of mutation]
200525 | Depths:3 | Gained mutation: Armour fits poorly on your strangely
                  | shaped body. [potion of mutation]
200525 | Depths:3 | Gained mutation: You are dopey. (Int -2) [potion of
                  | mutation]
200525 | Depths:3 | Gained mutation: You are weak. (Str -2) [potion of
                  | mutation]
200525 | Depths:3 | Gained mutation: Your spells are a little harder to cast,
                  | but a little more powerful. [potion of mutation]
200526 | Depths:3 | Lost mutation: You are weak. (Str -2) [potion of mutation]
200526 | Depths:3 | Lost mutation: You are partially covered in iridescent
                  | scales. (AC +2) [potion of mutation]
200527 | Depths:3 | Lost mutation: You are dopey. (Int -2) [potion of mutation]
200527 | Depths:3 | Lost mutation: Armour fits poorly on your strangely shaped
                  | body. [potion of mutation]
200527 | Depths:3 | Lost mutation: Your spells are a little harder to cast, but
                  | a little more powerful. [potion of mutation]
200527 | Depths:3 | Gained mutation: You do not regenerate when monsters are
                  | visible. [potion of mutation]
200527 | Depths:3 | Gained mutation: You passively dampen the noise of your
                  | surroundings. [potion of mutation]
200527 | Depths:3 | Gained mutation: Your magical capacity is low. (-10% MP)
                  | [potion of mutation]
200528 | Depths:3 | Lost mutation: You do not regenerate when monsters are
                  | visible. [potion of mutation]
200528 | Depths:3 | Lost mutation: You passively dampen the noise of your
                  | surroundings. [potion of mutation]
200528 | Depths:3 | Lost mutation: Your magical capacity is low. (-10% MP)
                  | [potion of mutation]
200528 | Depths:3 | Gained mutation: You are partially covered in iridescent
                  | scales. (AC +2) [potion of mutation]
200528 | Depths:3 | Gained mutation: You possess an exceptional clarity of
                  | mind. [potion of mutation]
200528 | Depths:3 | Gained mutation: Potions are less effective at restoring
                  | your health. [potion of mutation]
200529 | Depths:3 | Lost mutation: You possess an exceptional clarity of mind.
                  | [potion of mutation]
200529 | Depths:3 | Lost mutation: You are partially covered in iridescent
                  | scales. (AC +2) [potion of mutation]
200529 | Depths:3 | Gained mutation: You have sharp fingernails. [potion of
                  | mutation]
200529 | Depths:3 | Gained mutation: You have a beak for a mouth. [potion of
                  | mutation]
200529 | Depths:3 | Gained mutation: You are agile. (Dex +4, Str/Int -1)
                  | [potion of mutation]
200529 | Depths:3 | Gained mutation: Your movements are slightly less
                  | encumbered by armour. (ER -2) [potion of mutation]
200530 | Depths:3 | Lost mutation: Your movements are slightly less encumbered
                  | by armour. (ER -2) [potion of mutation]
200530 | Depths:3 | Lost mutation: You have a beak for a mouth. [potion of
                  | mutation]
200530 | Depths:3 | Gained mutation: You have hidden genetic defects. [potion
                  | of mutation]
200531 | Depths:3 | Lost mutation: You have hidden genetic defects. [potion of
                  | mutation]
200531 | Depths:3 | Lost mutation: You have sharp fingernails. [potion of
                  | mutation]
200531 | Depths:3 | Lost mutation: You are agile. (Dex +4, Str/Int -1) [potion
                  | of mutation]
200531 | Depths:3 | Gained mutation: You are weak. (Str -2) [potion of
                  | mutation]
200531 | Depths:3 | Gained mutation: You are robust. (+10% HP) [potion of
                  | mutation]
200531 | Depths:3 | Gained mutation: You are very robust. (+20% HP) [potion of
                  | mutation]
200532 | Depths:3 | Lost mutation: Potions are less effective at restoring your
                  | health. [potion of mutation]
200532 | Depths:3 | Lost mutation: You are weak. (Str -2) [potion of mutation]
200532 | Depths:3 | Lost mutation: You are very robust. (+20% HP) [potion of
                  | mutation]
200532 | Depths:3 | Gained mutation: You are partially covered in iridescent
                  | scales. (AC +2) [potion of mutation]
200532 | Depths:3 | Gained mutation: You do not regenerate when monsters are
                  | visible. [potion of mutation]
200532 | Depths:3 | Gained mutation: A frigid envelope surrounds you and
                  | freezes all who hurt you. [potion of mutation]
200533 | Depths:3 | Lost mutation: You are partially covered in iridescent
                  | scales. (AC +2) [potion of mutation]
200533 | Depths:3 | Lost mutation: A frigid envelope surrounds you and freezes
                  | all who hurt you. [potion of mutation]
200533 | Depths:3 | Lost mutation: You are robust. (+10% HP) [potion of
                  | mutation]
200533 | Depths:3 | Gained mutation: You are robust. (+10% HP) [potion of
                  | mutation]
200533 | Depths:3 | Gained mutation: Your mind is acute. (Int +4, Str/Dex -1)
                  | [potion of mutation]
200533 | Depths:3 | Gained mutation: Your health recovers twice as slowly from
                  | being drained. [potion of mutation]
200533 | Depths:3 | Gained mutation: Your mind is very acute. (Int +8, Str/Dex
                  | -2) [potion of mutation]
200534 | Depths:3 | Lost mutation: Your health recovers twice as slowly from
                  | being drained. [potion of mutation]
200534 | Depths:3 | Lost mutation: Your mind is very acute. (Int +8, Str/Dex
                  | -2) [potion of mutation]
200534 | Depths:3 | Gained mutation: Your muscles are strong. (Str +4, Int/Dex
                  | -1) [potion of mutation]
200534 | Depths:3 | Lost mutation: Your mind is acute. (Int +4, Str/Dex -1)
                  | [potion of mutation]
200534 | Depths:3 | Gained mutation: You have large cloven feet. [potion of
                  | mutation]
200535 | Depths:3 | Lost mutation: You are robust. (+10% HP) [potion of
                  | mutation]
200535 | Depths:3 | Lost mutation: You do not regenerate when monsters are
                  | visible. [potion of mutation]
200535 | Depths:3 | Gained mutation: Your flesh is heat resistant. (rF+)
                  | [potion of mutation]
200536 | Depths:3 | Lost mutation: Your muscles are strong. (Str +4, Int/Dex
                  | -1) [potion of mutation]
200536 | Depths:3 | Lost mutation: You have large cloven feet. [potion of
                  | mutation]
200536 | Depths:3 | Lost mutation: Your flesh is heat resistant. (rF+) [potion
                  | of mutation]
200536 | Depths:3 | Gained mutation: Your body sometimes deteriorates upon
                  | taking damage. [potion of mutation]
200537 | Depths:3 | Lost mutation: Your body sometimes deteriorates upon taking
                  | damage. [potion of mutation]
200537 | Depths:3 | Gained mutation: You occasionally shout uncontrollably at
                  | your foes. [potion of mutation]
200537 | Depths:3 | Gained mutation: You have a pair of small antennae on your
                  | head. [potion of mutation]
200538 | Depths:3 | Lost mutation: You have a pair of small antennae on your
                  | head. [potion of mutation]
200538 | Depths:3 | Lost mutation: You occasionally shout uncontrollably at
                  | your foes. [potion of mutation]
200538 | Depths:3 | Gained mutation: Your mind is acute. (Int +4, Str/Dex -1)
                  | [potion of mutation]
200538 | Depths:3 | Gained mutation: Your flesh is heat resistant. (rF+)
                  | [potion of mutation]
200539 | Depths:3 | Lost mutation: Your mind is acute. (Int +4, Str/Dex -1)
                  | [potion of mutation]
200539 | Depths:3 | Lost mutation: Your flesh is heat resistant. (rF+) [potion
                  | of mutation]
200539 | Depths:3 | Gained mutation: You are strong-willed. (Will+) [potion of
                  | mutation]
200539 | Depths:3 | Gained mutation: Armour fits poorly on your strangely
                  | shaped body. [potion of mutation]
200539 | Depths:3 | Gained mutation: You have a pair of small horns on your
                  | head. [potion of mutation]
200540 | Depths:3 | Lost mutation: You have a pair of small horns on your head.
                  | [potion of mutation]
200540 | Depths:3 | Lost mutation: Armour fits poorly on your strangely shaped
                  | body. [potion of mutation]
200540 | Depths:3 | Lost mutation: You are strong-willed. (Will+) [potion of
                  | mutation]
200540 | Depths:3 | Gained mutation: Potions are less effective at restoring
                  | your health. [potion of mutation]
200540 | Depths:3 | Gained mutation: You passively map a small area around you.
                  | [potion of mutation]
200541 | Depths:3 | Lost mutation: You passively map a small area around you.
                  | [potion of mutation]
200541 | Depths:3 | Lost mutation: Potions are less effective at restoring your
                  | health. [potion of mutation]
200541 | Depths:3 | Gained mutation: You are partially covered in iridescent
                  | scales. (AC +2) [potion of mutation]
200541 | Depths:3 | Gained mutation: You have sharp fingernails. [potion of
                  | mutation]
200541 | Depths:3 | Gained mutation: Your spells are a little harder to cast,
                  | but a little more powerful. [potion of mutation]
200542 | Depths:3 | Lost mutation: You are partially covered in iridescent
                  | scales. (AC +2) [potion of mutation]
200542 | Depths:3 | Lost mutation: Your spells are a little harder to cast, but
                  | a little more powerful. [potion of mutation]
200542 | Depths:3 | Gained mutation: You are dopey. (Int -2) [potion of
                  | mutation]
200542 | Depths:3 | Gained mutation: You are covered in fur. (AC +1) [potion of
                  | mutation]
200542 | Depths:3 | Gained mutation: You are somewhat resistant to further
                  | mutation. [potion of mutation]
200543 | Depths:3 | Lost mutation: You are covered in fur. (AC +1) [potion of
                  | mutation]
200543 | Depths:3 | Lost mutation: You are somewhat resistant to further
                  | mutation. [potion of mutation]
200543 | Depths:3 | Gained mutation: You have supernaturally acute eyesight.
                  | (SInv) [potion of mutation]
200543 | Depths:3 | Gained mutation: Your spells are a little harder to cast,
                  | but a little more powerful. [potion of mutation]
200544 | Depths:3 | Lost mutation: You have sharp fingernails. [potion of
                  | mutation]
200544 | Depths:3 | Lost mutation: Your spells are a little harder to cast, but
                  | a little more powerful. [potion of mutation]
200544 | Depths:3 | Lost mutation: You have supernaturally acute eyesight.
                  | (SInv) [potion of mutation]
200544 | Depths:3 | Gained mutation: You are strong-willed. (Will+) [potion of
                  | mutation]
200544 | Depths:3 | Gained mutation: Your muscles are strong. (Str +4, Int/Dex
                  | -1) [potion of mutation]
200545 | Depths:3 | Lost mutation: Your muscles are strong. (Str +4, Int/Dex
                  | -1) [potion of mutation]
200545 | Depths:3 | Lost mutation: You are strong-willed. (Will+) [potion of
                  | mutation]
200545 | Depths:3 | Lost mutation: You are dopey. (Int -2) [potion of mutation]
200545 | Depths:3 | Gained mutation: You are partially covered in iridescent
                  | scales. (AC +2) [potion of mutation]
200545 | Depths:3 | Gained mutation: You passively dampen the noise of your
                  | surroundings. [potion of mutation]
200546 | Depths:3 | Lost mutation: You passively dampen the noise of your
                  | surroundings. [potion of mutation]
200546 | Depths:3 | Lost mutation: You are partially covered in iridescent
                  | scales. (AC +2) [potion of mutation]
200546 | Depths:3 | Gained mutation: Your magical capacity is low. (-10% MP)
                  | [potion of mutation]
200546 | Depths:3 | Gained mutation: You are dopey. (Int -2) [potion of
                  | mutation]
200546 | Depths:3 | Gained mutation: You have large cloven feet. [potion of
                  | mutation]
200547 | Depths:3 | Lost mutation: Your magical capacity is low. (-10% MP)
                  | [potion of mutation]
200547 | Depths:3 | Lost mutation: You are dopey. (Int -2) [potion of mutation]
200547 | Depths:3 | Gained mutation: Your muscles are strong. (Str +4, Int/Dex
                  | -1) [potion of mutation]
200547 | Depths:3 | Gained mutation: You are robust. (+10% HP) [potion of
                  | mutation]
200547 | Depths:3 | Gained mutation: You have a pair of small horns on your
                  | head. [potion of mutation]
200548 | Depths:3 | Lost mutation: You are robust. (+10% HP) [potion of
                  | mutation]
200548 | Depths:3 | Lost mutation: You have large cloven feet. [potion of
                  | mutation]
200548 | Depths:3 | Lost mutation: Your muscles are strong. (Str +4, Int/Dex
                  | -1) [potion of mutation]
200548 | Depths:3 | Gained mutation: You are somewhat resistant to further
                  | mutation. [potion of mutation]
200549 | Depths:3 | Lost mutation: You have a pair of small horns on your head.
                  | [potion of mutation]
200549 | Depths:3 | Lost mutation: You are somewhat resistant to further
                  | mutation. [potion of mutation]
200549 | Depths:3 | Gained mutation: You are frail. (-10% HP) [potion of
                  | mutation]
200549 | Depths:3 | Gained mutation: You expend magic power (3 MP) to
                  | strengthen your wands. [potion of mutation]
200549 | Depths:3 | Gained mutation: Your flesh is cold resistant. (rC+)
                  | [potion of mutation]
200549 | Depths:3 | Lost mutation: You are frail. (-10% HP) [potion of
                  | mutation]
200550 | Depths:3 | Lost mutation: You expend magic power (3 MP) to strengthen
                  | your wands. [potion of mutation]
200550 | Depths:3 | Lost mutation: Your flesh is cold resistant. (rC+) [potion
                  | of mutation]
200550 | Depths:3 | Gained mutation: Your magical capacity is low. (-10% MP)
                  | [potion of mutation]
200550 | Depths:3 | Gained mutation: You are strong-willed. (Will+) [potion of
                  | mutation]
200550 | Depths:3 | Gained mutation: You have sharp toenails. [potion of
                  | mutation]
200550 | Depths:3 | Gained mutation: You have razor-sharp toenails. [potion of
                  | mutation]
200551 | Depths:3 | Lost mutation: Your magical capacity is low. (-10% MP)
                  | [potion of mutation]
200551 | Depths:3 | Lost mutation: You have razor-sharp toenails. [potion of
                  | mutation]
200551 | Depths:3 | Lost mutation: You are strong-willed. (Will+) [potion of
                  | mutation]
200551 | Depths:3 | Gained mutation: You passively dampen the noise of your
                  | surroundings. [potion of mutation]
200551 | Depths:3 | Gained mutation: You have razor-sharp toenails. [potion of
                  | mutation]
200552 | Depths:3 | Lost mutation: You passively dampen the noise of your
                  | surroundings. [potion of mutation]
200552 | Depths:3 | Lost mutation: You have razor-sharp toenails. [potion of
                  | mutation]
200552 | Depths:3 | Lost mutation: You have sharp toenails. [potion of
                  | mutation]
200552 | Depths:3 | Gained mutation: You are robust. (+10% HP) [potion of
                  | mutation]
200552 | Depths:3 | Gained mutation: You are partially covered in iridescent
                  | scales. (AC +2) [potion of mutation]
200552 | Depths:3 | Gained mutation: You are very robust. (+20% HP) [potion of
                  | mutation]
200553 | Depths:3 | Lost mutation: You are partially covered in iridescent
                  | scales. (AC +2) [potion of mutation]
200553 | Depths:3 | Lost mutation: You are very robust. (+20% HP) [potion of
                  | mutation]
200553 | Depths:3 | Gained mutation: You occasionally lose the ability to drink
                  | potions when taking damage. [potion of mutation]
200554 | Depths:3 | Lost mutation: You are robust. (+10% HP) [potion of
                  | mutation]
200554 | Depths:3 | Lost mutation: You occasionally lose the ability to drink
                  | potions when taking damage. [potion of mutation]
200554 | Depths:3 | Gained mutation: You expend magic power (3 MP) to
                  | strengthen your wands. [potion of mutation]
200554 | Depths:3 | Gained mutation: You have very sharp teeth. [potion of
                  | mutation]
200555 | Depths:3 | Lost mutation: You have very sharp teeth. [potion of
                  | mutation]
200555 | Depths:3 | Lost mutation: You expend magic power (3 MP) to strengthen
                  | your wands. [potion of mutation]
200555 | Depths:3 | Gained mutation: Your mind is acute. (Int +4, Str/Dex -1)
                  | [potion of mutation]
200555 | Depths:3 | Gained mutation: You have a somewhat thin skeletal
                  | structure. (Dex +2, Stealth+) [potion of mutation]
200555 | Depths:3 | Gained mutation: You have hidden genetic potential. [potion
                  | of mutation]
200556 | Depths:3 | Lost mutation: You have hidden genetic potential. [potion
                  | of mutation]
200556 | Depths:3 | Lost mutation: Your mind is acute. (Int +4, Str/Dex -1)
                  | [potion of mutation]
200556 | Depths:3 | Lost mutation: You have a somewhat thin skeletal structure.
                  | (Dex +2, Stealth+) [potion of mutation]
200556 | Depths:3 | Gained mutation: You have a pair of small horns on your
                  | head. [potion of mutation]
200557 | Depths:3 | Lost mutation: You have a pair of small horns on your head.
                  | [potion of mutation]
200557 | Depths:3 | Gained mutation: Your muscles are strong. (Str +4, Int/Dex
                  | -1) [potion of mutation]
200557 | Depths:3 | Gained mutation: You have hidden genetic defects. [potion
                  | of mutation]
200558 | Depths:3 | Lost mutation: Your muscles are strong. (Str +4, Int/Dex
                  | -1) [potion of mutation]
200558 | Depths:3 | Lost mutation: You have hidden genetic defects. [potion of
                  | mutation]
200558 | Depths:3 | Gained mutation: You occasionally lose the ability to drink
                  | potions when taking damage. [potion of mutation]
200558 | Depths:3 | Gained mutation: You are agile. (Dex +4, Str/Int -1)
                  | [potion of mutation]
200558 | Depths:3 | Gained mutation: Your flesh is heat resistant. (rF+)
                  | [potion of mutation]
200559 | Depths:3 | Lost mutation: You are agile. (Dex +4, Str/Int -1) [potion
                  | of mutation]
200559 | Depths:3 | Lost mutation: Your flesh is heat resistant. (rF+) [potion
                  | of mutation]
200559 | Depths:3 | Lost mutation: You occasionally lose the ability to drink
                  | potions when taking damage. [potion of mutation]
200559 | Depths:3 | Gained mutation: You occasionally lose the ability to read
                  | scrolls when taking damage. [potion of mutation]
200559 | Depths:3 | Gained mutation: You are clumsy. (Dex -2) [potion of
                  | mutation]
200559 | Depths:3 | Gained mutation: You are covered in fur. (AC +1) [potion of
                  | mutation]
200560 | Depths:3 | Lost mutation: You occasionally lose the ability to read
                  | scrolls when taking damage. [potion of mutation]
200560 | Depths:3 | Lost mutation: You are clumsy. (Dex -2) [potion of
                  | mutation]
200560 | Depths:3 | Gained mutation: You have a pair of small horns on your
                  | head. [potion of mutation]
200560 | Depths:3 | Gained mutation: You occasionally shout uncontrollably at
                  | your foes. [potion of mutation]
200560 | Depths:3 | Gained mutation: Your flesh is cold resistant. (rC+)
                  | [potion of mutation]
200561 | Depths:3 | Lost mutation: You occasionally shout uncontrollably at
                  | your foes. [potion of mutation]
200561 | Depths:3 | Lost mutation: Your flesh is cold resistant. (rC+) [potion
                  | of mutation]
200561 | Depths:3 | Lost mutation: You are covered in fur. (AC +1) [potion of
                  | mutation]
200561 | Depths:3 | Gained mutation: You have large cloven feet. [potion of
                  | mutation]
200561 | Depths:3 | Gained mutation: Armour fits poorly on your strangely
                  | shaped body. [potion of mutation]
200561 | Depths:3 | Gained mutation: You sometimes lose your temper in combat.
                  | [potion of mutation]
200562 | Depths:3 | Lost mutation: You have a pair of small horns on your head.
                  | [potion of mutation]
200562 | Depths:3 | Lost mutation: Armour fits poorly on your strangely shaped
                  | body. [potion of mutation]
200562 | Depths:3 | Lost mutation: You have large cloven feet. [potion of
                  | mutation]
200562 | Depths:3 | Gained mutation: Your muscles are strong. (Str +4, Int/Dex
                  | -1) [potion of mutation]
200562 | Depths:3 | Gained mutation: You are robust. (+10% HP) [potion of
                  | mutation]
200563 | Depths:3 | Lost mutation: You are robust. (+10% HP) [potion of
                  | mutation]
200563 | Depths:3 | Lost mutation: You sometimes lose your temper in combat.
                  | [potion of mutation]
200563 | Depths:3 | Lost mutation: Your muscles are strong. (Str +4, Int/Dex
                  | -1) [potion of mutation]
200563 | Depths:3 | Gained mutation: Your flesh is heat resistant. (rF+)
                  | [potion of mutation]
200563 | Depths:3 | Lost mutation: Your flesh is heat resistant. (rF+) [potion
                  | of mutation]
200563 | Depths:3 | Gained mutation: Your muscles are strong. (Str +4, Int/Dex
                  | -1) [potion of mutation]
200563 | Depths:3 | Gained mutation: You are agile. (Dex +4, Str/Int -1)
                  | [potion of mutation]
200564 | Depths:3 | Lost mutation: Your muscles are strong. (Str +4, Int/Dex
                  | -1) [potion of mutation]
200564 | Depths:3 | Lost mutation: You are agile. (Dex +4, Str/Int -1) [potion
                  | of mutation]
200564 | Depths:3 | Gained mutation: You expend magic power (3 MP) to
                  | strengthen your wands. [potion of mutation]
200564 | Depths:3 | Gained mutation: Your spells are a little harder to cast,
                  | but a little more powerful. [potion of mutation]
200564 | Depths:3 | Gained mutation: Your flesh is heat resistant. (rF+)
                  | [potion of mutation]
200564 | Depths:3 | Gained mutation: You are agile. (Dex +4, Str/Int -1)
                  | [potion of mutation]
200565 | Depths:3 | Lost mutation: You are agile. (Dex +4, Str/Int -1) [potion
                  | of mutation]
200565 | Depths:3 | Lost mutation: You expend magic power (3 MP) to strengthen
                  | your wands. [potion of mutation]
200565 | Depths:3 | Gained mutation: You are partially covered in iridescent
                  | scales. (AC +2) [potion of mutation]
200565 | Depths:3 | Gained mutation: Your spells are harder to cast, but more
                  | powerful. [potion of mutation]
200566 | Depths:3 | Lost mutation: Your spells are harder to cast, but more
                  | powerful. [potion of mutation]
200566 | Depths:3 | Lost mutation: You are partially covered in iridescent
                  | scales. (AC +2) [potion of mutation]
200566 | Depths:3 | Lost mutation: Your flesh is heat resistant. (rF+) [potion
                  | of mutation]
200566 | Depths:3 | Gained mutation: You possess an exceptional clarity of
                  | mind. [potion of mutation]
200567 | Depths:3 | Lost mutation: Your spells are a little harder to cast, but
                  | a little more powerful. [potion of mutation]
200567 | Depths:3 | Lost mutation: You possess an exceptional clarity of mind.
                  | [potion of mutation]
200567 | Depths:3 | Gained mutation: You are robust. (+10% HP) [potion of
                  | mutation]
200567 | Depths:3 | Gained mutation: Your spells are a little easier to cast,
                  | but a little less powerful. [potion of mutation]
200567 | Depths:3 | Gained mutation: You are agile. (Dex +4, Str/Int -1)
                  | [potion of mutation]
200568 | Depths:3 | Lost mutation: Your spells are a little easier to cast, but
                  | a little less powerful. [potion of mutation]
200568 | Depths:3 | Lost mutation: You are robust. (+10% HP) [potion of
                  | mutation]
200568 | Depths:3 | Gained mutation: Your skin changes colour to match your
                  | surroundings (Stealth+). [potion of mutation]
200568 | Depths:3 | Gained mutation: You are weak. (Str -2) [potion of
                  | mutation]
200569 | Depths:3 | Lost mutation: You are weak. (Str -2) [potion of mutation]
200569 | Depths:3 | Lost mutation: Your skin changes colour to match your
                  | surroundings (Stealth+). [potion of mutation]
200569 | Depths:3 | Gained mutation: Armour fits poorly on your strangely
                  | shaped body. [potion of mutation]
200569 | Depths:3 | Gained mutation: Your flesh is heat resistant. (rF+)
                  | [potion of mutation]
200570 | Depths:3 | Lost mutation: Your flesh is heat resistant. (rF+) [potion
                  | of mutation]
200570 | Depths:3 | Lost mutation: Armour fits poorly on your strangely shaped
                  | body. [potion of mutation]
200570 | Depths:3 | Gained mutation: Your flesh is heat resistant. (rF+)
                  | [potion of mutation]
200570 | Depths:3 | Gained mutation: You are frail. (-10% HP) [potion of
                  | mutation]
200570 | Depths:3 | Gained mutation: You possess an exceptional clarity of
                  | mind. [potion of mutation]
200571 | Depths:3 | Lost mutation: Your flesh is heat resistant. (rF+) [potion
                  | of mutation]
200571 | Depths:3 | Lost mutation: You are agile. (Dex +4, Str/Int -1) [potion
                  | of mutation]
200571 | Depths:3 | Lost mutation: You are frail. (-10% HP) [potion of
                  | mutation]
200571 | Depths:3 | Gained mutation: You are partially covered in iridescent
                  | scales. (AC +2) [potion of mutation]
200571 | Depths:3 | Gained mutation: Your magical capacity is low. (-10% MP)
                  | [potion of mutation]
200571 | Depths:3 | Lost mutation: Your magical capacity is low. (-10% MP)
                  | [potion of mutation]
200571 | Depths:3 | Gained mutation: Your spells are a little harder to cast,
                  | but a little more powerful. [potion of mutation]
200572 | Depths:3 | Lost mutation: Your spells are a little harder to cast, but
                  | a little more powerful. [potion of mutation]
200572 | Depths:3 | Lost mutation: You are partially covered in iridescent
                  | scales. (AC +2) [potion of mutation]
200572 | Depths:3 | Lost mutation: You possess an exceptional clarity of mind.
                  | [potion of mutation]
200572 | Depths:3 | Gained mutation: You are strong-willed. (Will+) [potion of
                  | mutation]
200573 | Depths:3 | Lost mutation: You are strong-willed. (Will+) [potion of
                  | mutation]
200573 | Depths:3 | Gained mutation: You passively map a small area around you.
                  | [potion of mutation]
200573 | Depths:3 | Gained mutation: Your mind is acute. (Int +4, Str/Dex -1)
                  | [potion of mutation]
200574 | Depths:3 | Lost mutation: Your mind is acute. (Int +4, Str/Dex -1)
                  | [potion of mutation]
200574 | Depths:3 | Lost mutation: You passively map a small area around you.
                  | [potion of mutation]
200574 | Depths:3 | Gained mutation: You are strong-willed. (Will+) [potion of
                  | mutation]
200575 | Depths:3 | Lost mutation: You are strong-willed. (Will+) [potion of
                  | mutation]
200575 | Depths:3 | Gained mutation: You are frail. (-10% HP) [potion of
                  | mutation]
200575 | Depths:3 | Gained mutation: You possess an exceptional clarity of
                  | mind. [potion of mutation]
200576 | Depths:3 | Lost mutation: You are frail. (-10% HP) [potion of
                  | mutation]
200576 | Depths:3 | Lost mutation: You possess an exceptional clarity of mind.
                  | [potion of mutation]
200576 | Depths:3 | Gained mutation: Your spells are a little easier to cast,
                  | but a little less powerful. [potion of mutation]
200576 | Depths:3 | Gained mutation: Your flesh is cold resistant. (rC+)
                  | [potion of mutation]
200577 | Depths:3 | Lost mutation: Your spells are a little easier to cast, but
                  | a little less powerful. [potion of mutation]
200577 | Depths:3 | Lost mutation: Your flesh is cold resistant. (rC+) [potion
                  | of mutation]
200577 | Depths:3 | Gained mutation: You have supernaturally acute eyesight.
                  | (SInv) [potion of mutation]
200578 | Depths:3 | Lost mutation: You have supernaturally acute eyesight.
                  | (SInv) [potion of mutation]
200578 | Depths:3 | Gained mutation: You have sharp toenails. [potion of
                  | mutation]
200578 | Depths:3 | Gained mutation: You possess an exceptional clarity of
                  | mind. [potion of mutation]
200579 | Depths:3 | Lost mutation: You have sharp toenails. [potion of
                  | mutation]
200579 | Depths:3 | Lost mutation: You possess an exceptional clarity of mind.
                  | [potion of mutation]
200579 | Depths:3 | Gained mutation: You sometimes lose your temper in combat.
                  | [potion of mutation]
200579 | Depths:3 | Gained mutation: You passively dampen the noise of your
                  | surroundings. [potion of mutation]
200579 | Depths:3 | Gained mutation: Your muscles are strong. (Str +4, Int/Dex
                  | -1) [potion of mutation]
200580 | Depths:3 | Lost mutation: You passively dampen the noise of your
                  | surroundings. [potion of mutation]
200580 | Depths:3 | Lost mutation: Your muscles are strong. (Str +4, Int/Dex
                  | -1) [potion of mutation]
200580 | Depths:3 | Lost mutation: You sometimes lose your temper in combat.
                  | [potion of mutation]
200580 | Depths:3 | Gained mutation: Your body sometimes deteriorates upon
                  | taking damage. [potion of mutation]
200580 | Depths:3 | Gained mutation: You possess an exceptional clarity of
                  | mind. [potion of mutation]
200581 | Depths:3 | Lost mutation: You possess an exceptional clarity of mind.
                  | [potion of mutation]
200581 | Depths:3 | Lost mutation: Your body sometimes deteriorates upon taking
                  | damage. [potion of mutation]
200581 | Depths:3 | Gained mutation: Your mind is acute. (Int +4, Str/Dex -1)
                  | [potion of mutation]
200581 | Depths:3 | Gained mutation: You are covered in fur. (AC +1) [potion of
                  | mutation]
200582 | Depths:3 | Lost mutation: You are covered in fur. (AC +1) [potion of
                  | mutation]
200582 | Depths:3 | Lost mutation: Your mind is acute. (Int +4, Str/Dex -1)
                  | [potion of mutation]
200582 | Depths:3 | Gained mutation: You possess an exceptional clarity of
                  | mind. [potion of mutation]
200582 | Depths:3 | Gained mutation: Armour fits poorly on your strangely
                  | shaped body. [potion of mutation]
200583 | Depths:3 | Lost mutation: You possess an exceptional clarity of mind.
                  | [potion of mutation]
200583 | Depths:3 | Lost mutation: Armour fits poorly on your strangely shaped
                  | body. [potion of mutation]
200583 | Depths:3 | Gained mutation: Your body sometimes deteriorates upon
                  | taking damage. [potion of mutation]
200583 | Depths:3 | Gained mutation: You have a somewhat thin skeletal
                  | structure. (Dex +2, Stealth+) [potion of mutation]
200583 | Depths:3 | Gained mutation: You have a pair of small antennae on your
                  | head. [potion of mutation]
200584 | Depths:3 | Lost mutation: You have a somewhat thin skeletal structure.
                  | (Dex +2, Stealth+) [potion of mutation]
200584 | Depths:3 | Lost mutation: You have a pair of small antennae on your
                  | head. [potion of mutation]
200584 | Depths:3 | Lost mutation: Your body sometimes deteriorates upon taking
                  | damage. [potion of mutation]
200584 | Depths:3 | Gained mutation: You have large cloven feet. [potion of
                  | mutation]
200585 | Depths:3 | Lost mutation: You have large cloven feet. [potion of
                  | mutation]
200585 | Depths:3 | Gained mutation: You occasionally lose the ability to drink
                  | potions when taking damage. [potion of mutation]
200585 | Depths:3 | Gained mutation: You are strong-willed. (Will+) [potion of
                  | mutation]
200586 | Depths:3 | Lost mutation: You are strong-willed. (Will+) [potion of
                  | mutation]
200586 | Depths:3 | Lost mutation: You occasionally lose the ability to drink
                  | potions when taking damage. [potion of mutation]
200586 | Depths:3 | Gained mutation: Your magical capacity is low. (-10% MP)
                  | [potion of mutation]
200586 | Depths:3 | Gained mutation: You are frail. (-10% HP) [potion of
                  | mutation]
200586 | Depths:3 | Gained mutation: You passively map a small area around you.
                  | [potion of mutation]
200586 | Depths:3 | Gained mutation: You have a pair of small antennae on your
                  | head. [potion of mutation]
200587 | Depths:3 | Lost mutation: You have a pair of small antennae on your
                  | head. [potion of mutation]
200587 | Depths:3 | Lost mutation: You passively map a small area around you.
                  | [potion of mutation]
200587 | Depths:3 | Lost mutation: Your magical capacity is low. (-10% MP)
                  | [potion of mutation]
200587 | Depths:3 | Gained mutation: Your spells are a little easier to cast,
                  | but a little less powerful. [potion of mutation]
200587 | Depths:3 | Gained mutation: You are somewhat resistant to further
                  | mutation. [potion of mutation]
200588 | Depths:3 | Lost mutation: You are somewhat resistant to further
                  | mutation. [potion of mutation]
200588 | Depths:3 | Lost mutation: Your spells are a little easier to cast, but
                  | a little less powerful. [potion of mutation]
200588 | Depths:3 | Gained mutation: You are dopey. (Int -2) [potion of
                  | mutation]
200589 | Depths:3 | Lost mutation: You are frail. (-10% HP) [potion of
                  | mutation]
200589 | Depths:3 | Lost mutation: You are dopey. (Int -2) [potion of mutation]
200589 | Depths:3 | Gained mutation: You have a pair of small horns on your
                  | head. [potion of mutation]
200589 | Depths:3 | Gained mutation: You expend magic power (3 MP) to
                  | strengthen your wands. [potion of mutation]
200589 | Depths:3 | Gained mutation: You are dopey. (Int -2) [potion of
                  | mutation]
200589 | Depths:3 | Gained mutation: You have a pair of horns on your head.
                  | [potion of mutation]
200590 | Depths:3 | Lost mutation: You have a pair of horns on your head.
                  | [potion of mutation]
200590 | Depths:3 | Lost mutation: You are dopey. (Int -2) [potion of mutation]
200590 | Depths:3 | Gained mutation: Your flesh is heat resistant. (rF+)
                  | [potion of mutation]
200591 | Depths:3 | Lost mutation: You expend magic power (3 MP) to strengthen
                  | your wands. [potion of mutation]
200591 | Depths:3 | Lost mutation: You have a pair of small horns on your head.
                  | [potion of mutation]
200591 | Depths:3 | Lost mutation: Your flesh is heat resistant. (rF+) [potion
                  | of mutation]
200591 | Depths:3 | Gained mutation: You have a pair of small horns on your
                  | head. [potion of mutation]
200591 | Depths:3 | Gained mutation: You possess an exceptional clarity of
                  | mind. [potion of mutation]
200591 | Depths:3 | Gained mutation: You occasionally lose the ability to drink
                  | potions when taking damage. [potion of mutation]
200591 | Depths:3 | Gained mutation: You are somewhat resistant to further
                  | mutation. [potion of mutation]
200592 | Depths:3 | Lost mutation: You are somewhat resistant to further
                  | mutation. [potion of mutation]
200592 | Depths:3 | Lost mutation: You have a pair of small horns on your head.
                  | [potion of mutation]
200592 | Depths:3 | Gained mutation: You are agile. (Dex +4, Str/Int -1)
                  | [potion of mutation]
200592 | Depths:3 | Gained mutation: You expend magic power (3 MP) to
                  | strengthen your wands. [potion of mutation]
200592 | Depths:3 | Gained mutation: You have sharp fingernails. [potion of
                  | mutation]
200593 | Depths:3 | Lost mutation: You occasionally lose the ability to drink
                  | potions when taking damage. [potion of mutation]
200593 | Depths:3 | Lost mutation: You are agile. (Dex +4, Str/Int -1) [potion
                  | of mutation]
200593 | Depths:3 | Lost mutation: You possess an exceptional clarity of mind.
                  | [potion of mutation]
200593 | Depths:3 | Gained mutation: You are robust. (+10% HP) [potion of
                  | mutation]
200593 | Depths:3 | Gained mutation: You are very robust. (+20% HP) [potion of
                  | mutation]
200594 | Depths:3 | Lost mutation: You have sharp fingernails. [potion of
                  | mutation]
200594 | Depths:3 | Lost mutation: You expend magic power (3 MP) to strengthen
                  | your wands. [potion of mutation]
200594 | Depths:3 | Gained mutation: You are agile. (Dex +4, Str/Int -1)
                  | [potion of mutation]
200594 | Depths:3 | Gained mutation: Your spells are a little harder to cast,
                  | but a little more powerful. [potion of mutation]
200594 | Depths:3 | Lost mutation: You are agile. (Dex +4, Str/Int -1) [potion
                  | of mutation]
200595 | Depths:3 | Lost mutation: Your spells are a little harder to cast, but
                  | a little more powerful. [potion of mutation]
200595 | Depths:3 | Lost mutation: You are very robust. (+20% HP) [potion of
                  | mutation]
200595 | Depths:3 | Lost mutation: You are robust. (+10% HP) [potion of
                  | mutation]
200595 | Depths:3 | Gained mutation: You are frail. (-10% HP) [potion of
                  | mutation]
200596 | Depths:3 | Lost mutation: You are frail. (-10% HP) [potion of
                  | mutation]
200596 | Depths:3 | Gained mutation: You have a pair of small horns on your
                  | head. [potion of mutation]
200596 | Depths:3 | Gained mutation: You passively map a small area around you.
                  | [potion of mutation]
200597 | Depths:3 | Lost mutation: You have a pair of small horns on your head.
                  | [potion of mutation]
200597 | Depths:3 | Lost mutation: You passively map a small area around you.
                  | [potion of mutation]
200597 | Depths:3 | Gained mutation: Your flesh is cold resistant. (rC+)
                  | [potion of mutation]
200597 | Depths:3 | Gained mutation: Your spells are a little harder to cast,
                  | but a little more powerful. [potion of mutation]
200598 | Depths:3 | Lost mutation: Your flesh is cold resistant. (rC+) [potion
                  | of mutation]
200598 | Depths:3 | Lost mutation: Your spells are a little harder to cast, but
                  | a little more powerful. [potion of mutation]
200598 | Depths:3 | Gained mutation: Your spells are a little harder to cast,
                  | but a little more powerful. [potion of mutation]
200598 | Depths:3 | Gained mutation: You occasionally shout uncontrollably at
                  | your foes. [potion of mutation]
200598 | Depths:3 | Gained mutation: You are agile. (Dex +4, Str/Int -1)
                  | [potion of mutation]
200599 | Depths:3 | Lost mutation: Your spells are a little harder to cast, but
                  | a little more powerful. [potion of mutation]
200599 | Depths:3 | Lost mutation: You occasionally shout uncontrollably at
                  | your foes. [potion of mutation]
200599 | Depths:3 | Lost mutation: You are agile. (Dex +4, Str/Int -1) [potion
                  | of mutation]
200599 | Depths:3 | Gained mutation: You possess an exceptional clarity of
                  | mind. [potion of mutation]
200600 | Depths:3 | Lost mutation: You possess an exceptional clarity of mind.
                  | [potion of mutation]
200600 | Depths:3 | Gained mutation: You have a pair of small antennae on your
                  | head. [potion of mutation]
200600 | Depths:3 | Gained mutation: Your magical capacity is low. (-10% MP)
                  | [potion of mutation]
200600 | Depths:3 | Gained mutation: You are partially covered in iridescent
                  | scales. (AC +2) [potion of mutation]
200600 | Depths:3 | Gained mutation: Your mind is acute. (Int +4, Str/Dex -1)
                  | [potion of mutation]
200601 | Depths:3 | Lost mutation: Your mind is acute. (Int +4, Str/Dex -1)
                  | [potion of mutation]
200601 | Depths:3 | Lost mutation: Your magical capacity is low. (-10% MP)
                  | [potion of mutation]
200601 | Depths:3 | Gained mutation: Armour fits poorly on your strangely
                  | shaped body. [potion of mutation]
200602 | Depths:3 | Lost mutation: You are partially covered in iridescent
                  | scales. (AC +2) [potion of mutation]
200602 | Depths:3 | Lost mutation: Armour fits poorly on your strangely shaped
                  | body. [potion of mutation]
200602 | Depths:3 | Gained mutation: You are clumsy. (Dex -2) [potion of
                  | mutation]
200602 | Depths:3 | Gained mutation: Your flesh is cold resistant. (rC+)
                  | [potion of mutation]
200602 | Depths:3 | Lost mutation: You have a pair of small antennae on your
                  | head. [potion of mutation]
200603 | Depths:3 | Lost mutation: You are clumsy. (Dex -2) [potion of
                  | mutation]
200603 | Depths:3 | Lost mutation: Your flesh is cold resistant. (rC+) [potion
                  | of mutation]
200603 | Depths:3 | Gained mutation: You occasionally lose the ability to read
                  | scrolls when taking damage. [potion of mutation]
200603 | Depths:3 | Gained mutation: Your magical capacity is low. (-10% MP)
                  | [potion of mutation]
200603 | Depths:3 | Gained mutation: You have large cloven feet. [potion of
                  | mutation]
200604 | Depths:3 | Lost mutation: You occasionally lose the ability to read
                  | scrolls when taking damage. [potion of mutation]
200604 | Depths:3 | Lost mutation: Your magical capacity is low. (-10% MP)
                  | [potion of mutation]
200604 | Depths:3 | Lost mutation: You have large cloven feet. [potion of
                  | mutation]
200604 | Depths:3 | Gained mutation: You are weak. (Str -2) [potion of
                  | mutation]
200604 | Depths:3 | Gained mutation: You are dopey. (Int -2) [potion of
                  | mutation]
200604 | Depths:3 | Gained mutation: You are agile. (Dex +4, Str/Int -1)
                  | [potion of mutation]
200605 | Depths:3 | Lost mutation: You are dopey. (Int -2) [potion of mutation]
200605 | Depths:3 | Lost mutation: You are agile. (Dex +4, Str/Int -1) [potion
                  | of mutation]
200605 | Depths:3 | Gained mutation: You are occasionally teleported next to
                  | monsters. [potion of mutation]
200605 | Depths:3 | Gained mutation: Armour fits poorly on your strangely
                  | shaped body. [potion of mutation]
200606 | Depths:3 | Lost mutation: Armour fits poorly on your strangely shaped
                  | body. [potion of mutation]
200606 | Depths:3 | Lost mutation: You are occasionally teleported next to
                  | monsters. [potion of mutation]
200606 | Depths:3 | Lost mutation: You are weak. (Str -2) [potion of mutation]
200606 | Depths:3 | Gained mutation: You possess an exceptional clarity of
                  | mind. [potion of mutation]
200606 | Depths:3 | Gained mutation: You are dopey. (Int -2) [potion of
                  | mutation]
200606 | Depths:3 | Gained mutation: You are somewhat resistant to further
                  | mutation. [potion of mutation]
200607 | Depths:3 | Lost mutation: You are dopey. (Int -2) [potion of mutation]
200607 | Depths:3 | Lost mutation: You possess an exceptional clarity of mind.
                  | [potion of mutation]
200607 | Depths:3 | Lost mutation: You are somewhat resistant to further
                  | mutation. [potion of mutation]
200607 | Depths:3 | Gained mutation: Your body sometimes deteriorates upon
                  | taking damage. [potion of mutation]
200608 | Depths:3 | Lost mutation: Your body sometimes deteriorates upon taking
                  | damage. [potion of mutation]
200608 | Depths:3 | Gained mutation: You are dopey. (Int -2) [potion of
                  | mutation]
200608 | Depths:3 | Gained mutation: You are strong-willed. (Will+) [potion of
                  | mutation]
200608 | Depths:3 | Lost mutation: You are dopey. (Int -2) [potion of mutation]
200609 | Depths:3 | Lost mutation: You are strong-willed. (Will+) [potion of
                  | mutation]
200609 | Depths:3 | Gained mutation: You have sharp fingernails. [potion of
                  | mutation]
200609 | Depths:3 | Gained mutation: You expend magic power (3 MP) to
                  | strengthen your wands. [potion of mutation]
200610 | Depths:3 | Lost mutation: You have sharp fingernails. [potion of
                  | mutation]
200610 | Depths:3 | Lost mutation: You expend magic power (3 MP) to strengthen
                  | your wands. [potion of mutation]
200610 | Depths:3 | Gained mutation: You occasionally shout uncontrollably at
                  | your foes. [potion of mutation]
200610 | Depths:3 | Gained mutation: You have a pair of small horns on your
                  | head. [potion of mutation]
200611 | Depths:3 | Lost mutation: You have a pair of small horns on your head.
                  | [potion of mutation]
200611 | Depths:3 | Lost mutation: You occasionally shout uncontrollably at
                  | your foes. [potion of mutation]
200611 | Depths:3 | Gained mutation: You are clumsy. (Dex -2) [potion of
                  | mutation]
200611 | Depths:3 | Gained mutation: You are frail. (-10% HP) [potion of
                  | mutation]
200612 | Depths:3 | Lost mutation: You are clumsy. (Dex -2) [potion of
                  | mutation]
200612 | Depths:3 | Lost mutation: You are frail. (-10% HP) [potion of
                  | mutation]
200612 | Depths:3 | Gained mutation: Your flesh is cold resistant. (rC+)
                  | [potion of mutation]
200612 | Depths:3 | Gained mutation: You possess an exceptional clarity of
                  | mind. [potion of mutation]
200612 | Depths:3 | Gained mutation: You have a pair of small horns on your
                  | head. [potion of mutation]
200612 | Depths:3 | Gained mutation: You are agile. (Dex +4, Str/Int -1)
                  | [potion of mutation]
200613 | Depths:3 | Lost mutation: Your flesh is cold resistant. (rC+) [potion
                  | of mutation]
200613 | Depths:3 | Lost mutation: You are agile. (Dex +4, Str/Int -1) [potion
                  | of mutation]
200613 | Depths:3 | Lost mutation: You possess an exceptional clarity of mind.
                  | [potion of mutation]
200613 | Depths:3 | Gained mutation: You have hidden genetic potential. [potion
                  | of mutation]
200613 | Depths:3 | Lost mutation: You have hidden genetic potential. [potion
                  | of mutation]
200613 | Depths:3 | Gained mutation: Your spells are a little harder to cast,
                  | but a little more powerful. [potion of mutation]
200614 | Depths:3 | Lost mutation: Your spells are a little harder to cast, but
                  | a little more powerful. [potion of mutation]
200614 | Depths:3 | Lost mutation: You have a pair of small horns on your head.
                  | [potion of mutation]
200614 | Depths:3 | Gained mutation: You are clumsy. (Dex -2) [potion of
                  | mutation]
200614 | Depths:3 | Gained mutation: You have an increased reservoir of magic.
                  | (+10% MP) [potion of mutation]
200615 | Depths:3 | Lost mutation: You have an increased reservoir of magic.
                  | (+10% MP) [potion of mutation]
200615 | Depths:3 | Lost mutation: You are clumsy. (Dex -2) [potion of
                  | mutation]
200615 | Depths:3 | Gained mutation: You are partially covered in iridescent
                  | scales. (AC +2) [potion of mutation]
200615 | Depths:3 | Gained mutation: You are mostly covered in iridescent
                  | scales. (AC +4) [potion of mutation]
200616 | Depths:3 | Lost mutation: You are mostly covered in iridescent scales.
                  | (AC +4) [potion of mutation]
200616 | Depths:3 | Lost mutation: You are partially covered in iridescent
                  | scales. (AC +2) [potion of mutation]
200616 | Depths:3 | Gained mutation: Your mind is acute. (Int +4, Str/Dex -1)
                  | [potion of mutation]
200616 | Depths:3 | Gained mutation: You have hidden genetic potential. [potion
                  | of mutation]
200616 | Depths:3 | Gained mutation: You passively dampen the noise of your
                  | surroundings. [potion of mutation]
200617 | Depths:3 | Lost mutation: Your mind is acute. (Int +4, Str/Dex -1)
                  | [potion of mutation]
200617 | Depths:3 | Lost mutation: You passively dampen the noise of your
                  | surroundings. [potion of mutation]
200617 | Depths:3 | Gained mutation: Your spells are a little harder to cast,
                  | but a little more powerful. [potion of mutation]
200617 | Depths:3 | Gained mutation: You have large cloven feet. [potion of
                  | mutation]
200617 | Depths:3 | Gained mutation: Your muscles are strong. (Str +4, Int/Dex
                  | -1) [potion of mutation]
200618 | Depths:3 | Lost mutation: Your spells are a little harder to cast, but
                  | a little more powerful. [potion of mutation]
200618 | Depths:3 | Lost mutation: Your muscles are strong. (Str +4, Int/Dex
                  | -1) [potion of mutation]
200618 | Depths:3 | Gained mutation: You are clumsy. (Dex -2) [potion of
                  | mutation]
200619 | Depths:3 | Lost mutation: You are clumsy. (Dex -2) [potion of
                  | mutation]
200619 | Depths:3 | Lost mutation: You have hidden genetic potential. [potion
                  | of mutation]
200619 | Depths:3 | Lost mutation: You have large cloven feet. [potion of
                  | mutation]
200619 | Depths:3 | Gained mutation: You have sharp toenails. [potion of
                  | mutation]
200619 | Depths:3 | Gained mutation: Your spells are a little easier to cast,
                  | but a little less powerful. [potion of mutation]
200619 | Depths:3 | Gained mutation: You have razor-sharp toenails. [potion of
                  | mutation]
200620 | Depths:3 | Lost mutation: Your spells are a little easier to cast, but
                  | a little less powerful. [potion of mutation]
200620 | Depths:3 | Lost mutation: You have razor-sharp toenails. [potion of
                  | mutation]
200620 | Depths:3 | Lost mutation: You have sharp toenails. [potion of
                  | mutation]
200620 | Depths:3 | Gained mutation: You are partially covered in iridescent
                  | scales. (AC +2) [potion of mutation]
200620 | Depths:3 | Gained mutation: You have large cloven feet. [potion of
                  | mutation]
200620 | Depths:3 | Gained mutation: You are mostly covered in iridescent
                  | scales. (AC +4) [potion of mutation]
200621 | Depths:3 | Lost mutation: You have large cloven feet. [potion of
                  | mutation]
200621 | Depths:3 | Lost mutation: You are mostly covered in iridescent scales.
                  | (AC +4) [potion of mutation]
200621 | Depths:3 | Lost mutation: You are partially covered in iridescent
                  | scales. (AC +2) [potion of mutation]
200621 | Depths:3 | Gained mutation: You possess an exceptional clarity of
                  | mind. [potion of mutation]
200621 | Depths:3 | Gained mutation: You have a pair of small horns on your
                  | head. [potion of mutation]
200622 | Depths:3 | Lost mutation: You possess an exceptional clarity of mind.
                  | [potion of mutation]
200622 | Depths:3 | Lost mutation: You have a pair of small horns on your head.
                  | [potion of mutation]
200622 | Depths:3 | Gained mutation: You have hidden genetic defects. [potion
                  | of mutation]
200622 | Depths:3 | Gained mutation: You are frail. (-10% HP) [potion of
                  | mutation]
200622 | Depths:3 | Gained mutation: You sometimes lose your temper in combat.
                  | [potion of mutation]
200622 | Depths:3 | Gained mutation: You are agile. (Dex +4, Str/Int -1)
                  | [potion of mutation]
200623 | Depths:3 | Lost mutation: You are agile. (Dex +4, Str/Int -1) [potion
                  | of mutation]
200623 | Depths:3 | Lost mutation: You are frail. (-10% HP) [potion of
                  | mutation]
200623 | Depths:3 | Gained mutation: Your mind is acute. (Int +4, Str/Dex -1)
                  | [potion of mutation]
200623 | Depths:3 | Gained mutation: You are agile. (Dex +4, Str/Int -1)
                  | [potion of mutation]
200623 | Depths:3 | Gained mutation: You are occasionally teleported next to
                  | monsters. [potion of mutation]
200624 | Depths:3 | Lost mutation: You have hidden genetic defects. [potion of
                  | mutation]
200624 | Depths:3 | Lost mutation: Your mind is acute. (Int +4, Str/Dex -1)
                  | [potion of mutation]
200624 | Depths:3 | Lost mutation: You are occasionally teleported next to
                  | monsters. [potion of mutation]
200624 | Depths:3 | Gained mutation: You occasionally shout uncontrollably at
                  | your foes. [potion of mutation]
200624 | Depths:3 | Gained mutation: Your movements are slightly less
                  | encumbered by armour. (ER -2) [potion of mutation]
200625 | Depths:3 | Lost mutation: You are agile. (Dex +4, Str/Int -1) [potion
                  | of mutation]
200625 | Depths:3 | Lost mutation: You occasionally shout uncontrollably at
                  | your foes. [potion of mutation]
200625 | Depths:3 | Lost mutation: Your movements are slightly less encumbered
                  | by armour. (ER -2) [potion of mutation]
200625 | Depths:3 | Gained mutation: You occasionally lose the ability to read
                  | scrolls when taking damage. [potion of mutation]
200625 | Depths:3 | Gained mutation: You are strong-willed. (Will+) [potion of
                  | mutation]
200626 | Depths:3 | Lost mutation: You sometimes lose your temper in combat.
                  | [potion of mutation]
200626 | Depths:3 | Lost mutation: You are strong-willed. (Will+) [potion of
                  | mutation]
200626 | Depths:3 | Gained mutation: Armour fits poorly on your strangely
                  | shaped body. [potion of mutation]
200626 | Depths:3 | Gained mutation: You are partially covered in iridescent
                  | scales. (AC +2) [potion of mutation]
200626 | Depths:3 | Gained mutation: You sometimes lose your temper in combat.
                  | [potion of mutation]
200626 | Depths:3 | Gained mutation: You passively map a small area around you.
                  | [potion of mutation]
200627 | Depths:3 | Lost mutation: Armour fits poorly on your strangely shaped
                  | body. [potion of mutation]
200627 | Depths:3 | Lost mutation: You passively map a small area around you.
                  | [potion of mutation]
200627 | Depths:3 | Lost mutation: You are partially covered in iridescent
                  | scales. (AC +2) [potion of mutation]
200627 | Depths:3 | Gained mutation: Your flesh is heat resistant. (rF+)
                  | [potion of mutation]
200627 | Depths:3 | Gained mutation: You are agile. (Dex +4, Str/Int -1)
                  | [potion of mutation]
200628 | Depths:3 | Lost mutation: You sometimes lose your temper in combat.
                  | [potion of mutation]
200628 | Depths:3 | Lost mutation: You are agile. (Dex +4, Str/Int -1) [potion
                  | of mutation]
200628 | Depths:3 | Gained mutation: You occasionally shout uncontrollably at
                  | your foes. [potion of mutation]
200628 | Depths:3 | Gained mutation: You have large cloven feet. [potion of
                  | mutation]
200628 | Depths:3 | Gained mutation: You have a pair of small antennae on your
                  | head. [potion of mutation]
200629 | Depths:3 | Lost mutation: You have a pair of small antennae on your
                  | head. [potion of mutation]
200629 | Depths:3 | Lost mutation: Your flesh is heat resistant. (rF+) [potion
                  | of mutation]
200629 | Depths:3 | Gained mutation: You are partially covered in large bone
                  | plates. (SH +4) [potion of mutation]
200629 | Depths:3 | Gained mutation: Your spells are a little harder to cast,
                  | but a little more powerful. [potion of mutation]
200630 | Depths:3 | Lost mutation: You occasionally shout uncontrollably at
                  | your foes. [potion of mutation]
200630 | Depths:3 | Lost mutation: You have large cloven feet. [potion of
                  | mutation]
200630 | Depths:3 | Lost mutation: You are partially covered in large bone
                  | plates. (SH +4) [potion of mutation]
200630 | Depths:3 | Gained mutation: You are agile. (Dex +4, Str/Int -1)
                  | [potion of mutation]
200630 | Depths:3 | Gained mutation: You sometimes lose your temper in combat.
                  | [potion of mutation]
200630 | Depths:3 | Gained mutation: Potions are less effective at restoring
                  | your health. [potion of mutation]
200630 | Depths:3 | Gained mutation: You passively map a small area around you.
                  | [potion of mutation]
200631 | Depths:3 | Lost mutation: Potions are less effective at restoring your
                  | health. [potion of mutation]
200631 | Depths:3 | Lost mutation: You passively map a small area around you.
                  | [potion of mutation]
200631 | Depths:3 | Lost mutation: Your spells are a little harder to cast, but
                  | a little more powerful. [potion of mutation]
200631 | Depths:3 | Gained mutation: You are very agile. (Dex +8, Str/Int -2)
                  | [potion of mutation]
200631 | Depths:3 | Gained mutation: You have hidden genetic defects. [potion
                  | of mutation]
200631 | Depths:3 | Gained mutation: You have a pair of small antennae on your
                  | head. [potion of mutation]
200631 | Depths:3 | Gained mutation: You are partially covered in iridescent
                  | scales. (AC +2) [potion of mutation]
200632 | Depths:3 | Lost mutation: You have a pair of small antennae on your
                  | head. [potion of mutation]
200632 | Depths:3 | Lost mutation: You occasionally lose the ability to read
                  | scrolls when taking damage. [potion of mutation]
200632 | Depths:3 | Lost mutation: You have hidden genetic defects. [potion of
                  | mutation]
200632 | Depths:3 | Gained mutation: Your muscles are strong. (Str +4, Int/Dex
                  | -1) [potion of mutation]
200632 | Depths:3 | Gained mutation: Potions are less effective at restoring
                  | your health. [potion of mutation]
200632 | Depths:3 | Gained mutation: You occasionally lose the ability to read
                  | scrolls when taking damage. [potion of mutation]
200632 | Depths:3 | Gained mutation: You are partially covered in large bone
                  | plates. (SH +4) [potion of mutation]
200633 | Depths:3 | Lost mutation: Your muscles are strong. (Str +4, Int/Dex
                  | -1) [potion of mutation]
200633 | Depths:3 | Lost mutation: You are partially covered in large bone
                  | plates. (SH +4) [potion of mutation]
200633 | Depths:3 | Lost mutation: You are partially covered in iridescent
                  | scales. (AC +2) [potion of mutation]
200633 | Depths:3 | Gained mutation: You have hidden genetic potential. [potion
                  | of mutation]
200634 | Depths:3 | Lost mutation: You occasionally lose the ability to read
                  | scrolls when taking damage. [potion of mutation]
200634 | Depths:3 | Lost mutation: You have hidden genetic potential. [potion
                  | of mutation]
200634 | Depths:3 | Lost mutation: You sometimes lose your temper in combat.
                  | [potion of mutation]
200634 | Depths:3 | Gained mutation: You expend magic power (3 MP) to
                  | strengthen your wands. [potion of mutation]
200634 | Depths:3 | Gained mutation: You are robust. (+10% HP) [potion of
                  | mutation]
200635 | Depths:3 | Lost mutation: You are very agile. (Dex +8, Str/Int -2)
                  | [potion of mutation]
200635 | Depths:3 | Lost mutation: You expend magic power (3 MP) to strengthen
                  | your wands. [potion of mutation]
200635 | Depths:3 | Gained mutation: You expend magic power (3 MP) to
                  | strengthen your wands. [potion of mutation]
200635 | Depths:3 | Gained mutation: Your spells are a little harder to cast,
                  | but a little more powerful. [potion of mutation]
200636 | Depths:3 | Lost mutation: You are agile. (Dex +4, Str/Int -1) [potion
                  | of mutation]
200636 | Depths:3 | Lost mutation: Potions are less effective at restoring your
                  | health. [potion of mutation]
200636 | Depths:3 | Gained mutation: You are partially covered in iridescent
                  | scales. (AC +2) [potion of mutation]
200636 | Depths:3 | Gained mutation: You do not regenerate when monsters are
                  | visible. [potion of mutation]
200636 | Depths:3 | Lost mutation: You are partially covered in iridescent
                  | scales. (AC +2) [potion of mutation]
200637 | Depths:3 | Lost mutation: Your spells are a little harder to cast, but
                  | a little more powerful. [potion of mutation]
200637 | Depths:3 | Lost mutation: You are robust. (+10% HP) [potion of
                  | mutation]
200637 | Depths:3 | Lost mutation: You do not regenerate when monsters are
                  | visible. [potion of mutation]
200637 | Depths:3 | Gained mutation: You are clumsy. (Dex -2) [potion of
                  | mutation]
200637 | Depths:3 | Gained mutation: Armour fits poorly on your strangely
                  | shaped body. [potion of mutation]
200637 | Depths:3 | Gained mutation: You are frail. (-10% HP) [potion of
                  | mutation]
200638 | Depths:3 | Lost mutation: You expend magic power (3 MP) to strengthen
                  | your wands. [potion of mutation]
200638 | Depths:3 | Lost mutation: Armour fits poorly on your strangely shaped
                  | body. [potion of mutation]
200638 | Depths:3 | Lost mutation: You are frail. (-10% HP) [potion of
                  | mutation]
200638 | Depths:3 | Gained mutation: You occasionally shout uncontrollably at
                  | your foes. [potion of mutation]
200638 | Depths:3 | Gained mutation: You are partially covered in large bone
                  | plates. (SH +4) [potion of mutation]
200638 | Depths:3 | Gained mutation: Potions are less effective at restoring
                  | your health. [potion of mutation]
200639 | Depths:3 | Lost mutation: You are partially covered in large bone
                  | plates. (SH +4) [potion of mutation]
200639 | Depths:3 | Lost mutation: You are clumsy. (Dex -2) [potion of
                  | mutation]
200639 | Depths:3 | Gained mutation: Your flesh is heat resistant. (rF+)
                  | [potion of mutation]
200639 | Depths:3 | Gained mutation: You expend magic power (3 MP) to
                  | strengthen your wands. [potion of mutation]
200640 | Depths:3 | Lost mutation: You occasionally shout uncontrollably at
                  | your foes. [potion of mutation]
200640 | Depths:3 | Lost mutation: Potions are less effective at restoring your
                  | health. [potion of mutation]
200640 | Depths:3 | Gained mutation: You have hidden genetic defects. [potion
                  | of mutation]
200640 | Depths:3 | Gained mutation: You have a pair of small horns on your
                  | head. [potion of mutation]
200640 | Depths:3 | Gained mutation: Your mind is acute. (Int +4, Str/Dex -1)
                  | [potion of mutation]
200641 | Depths:3 | Lost mutation: Your mind is acute. (Int +4, Str/Dex -1)
                  | [potion of mutation]
200641 | Depths:3 | Lost mutation: Your flesh is heat resistant. (rF+) [potion
                  | of mutation]
200641 | Depths:3 | Lost mutation: You have hidden genetic defects. [potion of
                  | mutation]
200641 | Depths:3 | Gained mutation: You have a pair of horns on your head.
                  | [potion of mutation]
200642 | Depths:3 | Lost mutation: You expend magic power (3 MP) to strengthen
                  | your wands. [potion of mutation]
200642 | Depths:3 | Lost mutation: You have a pair of horns on your head.
                  | [potion of mutation]
200642 | Depths:3 | Gained mutation: You are robust. (+10% HP) [potion of
                  | mutation]
200642 | Depths:3 | Gained mutation: You are somewhat resistant to further
                  | mutation. [potion of mutation]
200643 | Depths:3 | Lost mutation: You are somewhat resistant to further
                  | mutation. [potion of mutation]
200643 | Depths:3 | Lost mutation: You have a pair of small horns on your head.
                  | [potion of mutation]
200643 | Depths:3 | Gained mutation: You are agile. (Dex +4, Str/Int -1)
                  | [potion of mutation]
200643 | Depths:3 | Gained mutation: You have hidden genetic potential. [potion
                  | of mutation]
200644 | Depths:3 | Lost mutation: You are agile. (Dex +4, Str/Int -1) [potion
                  | of mutation]
200644 | Depths:3 | Lost mutation: You have hidden genetic potential. [potion
                  | of mutation]
200644 | Depths:3 | Gained mutation: You have hidden genetic defects. [potion
                  | of mutation]
200644 | Depths:3 | Gained mutation: You have terrible hidden genetic defects.
                  | [potion of mutation]
200644 | Depths:3 | Gained mutation: Your body sometimes deteriorates upon
                  | taking damage. [potion of mutation]
200644 | Depths:3 | Gained mutation: You expend magic power (3 MP) to
                  | strengthen your wands. [potion of mutation]
200645 | Depths:3 | Lost mutation: You expend magic power (3 MP) to strengthen
                  | your wands. [potion of mutation]
200645 | Depths:3 | Lost mutation: Your body sometimes deteriorates upon taking
                  | damage. [potion of mutation]
200645 | Depths:3 | Gained mutation: You are agile. (Dex +4, Str/Int -1)
                  | [potion of mutation]
200645 | Depths:3 | Lost mutation: You are agile. (Dex +4, Str/Int -1) [potion
                  | of mutation]
200646 | Depths:3 | Lost mutation: You are robust. (+10% HP) [potion of
                  | mutation]
200646 | Depths:3 | Lost mutation: You have terrible hidden genetic defects.
                  | [potion of mutation]
200646 | Depths:3 | Lost mutation: You have hidden genetic defects. [potion of
                  | mutation]
200646 | Depths:3 | Gained mutation: You are partially covered in iridescent
                  | scales. (AC +2) [potion of mutation]
200647 | Depths:3 | Lost mutation: You are partially covered in iridescent
                  | scales. (AC +2) [potion of mutation]
200647 | Depths:3 | Gained mutation: Your spells are a little easier to cast,
                  | but a little less powerful. [potion of mutation]
200648 | Depths:3 | Lost mutation: Your spells are a little easier to cast, but
                  | a little less powerful. [potion of mutation]
200648 | Depths:3 | Gained mutation: You occasionally lose the ability to read
                  | scrolls when taking damage. [potion of mutation]
200648 | Depths:3 | Gained mutation: You sometimes lose the ability to read
                  | scrolls when taking damage. [potion of mutation]
200649 | Depths:3 | Lost mutation: You sometimes lose the ability to read
                  | scrolls when taking damage. [potion of mutation]
200649 | Depths:3 | Lost mutation: You occasionally lose the ability to read
                  | scrolls when taking damage. [potion of mutation]
200649 | Depths:3 | Gained mutation: You are robust. (+10% HP) [potion of
                  | mutation]
200649 | Depths:3 | Gained mutation: You have hidden genetic potential. [potion
                  | of mutation]
200649 | Depths:3 | Gained mutation: You possess an exceptional clarity of
                  | mind. [potion of mutation]
200650 | Depths:3 | Lost mutation: You have hidden genetic potential. [potion
                  | of mutation]
200650 | Depths:3 | Lost mutation: You are robust. (+10% HP) [potion of
                  | mutation]
200650 | Depths:3 | Gained mutation: Your mind is acute. (Int +4, Str/Dex -1)
                  | [potion of mutation]
200650 | Depths:3 | Gained mutation: You occasionally lose the ability to drink
                  | potions when taking damage. [potion of mutation]
200650 | Depths:3 | Gained mutation: Your spells are a little harder to cast,
                  | but a little more powerful. [potion of mutation]
200651 | Depths:3 | Lost mutation: Your spells are a little harder to cast, but
                  | a little more powerful. [potion of mutation]
200651 | Depths:3 | Lost mutation: You occasionally lose the ability to drink
                  | potions when taking damage. [potion of mutation]
200651 | Depths:3 | Lost mutation: Your mind is acute. (Int +4, Str/Dex -1)
                  | [potion of mutation]
200651 | Depths:3 | Gained mutation: Your muscles are strong. (Str +4, Int/Dex
                  | -1) [potion of mutation]
200651 | Depths:3 | Gained mutation: You are somewhat resistant to further
                  | mutation. [potion of mutation]
200652 | Depths:3 | Lost mutation: You are somewhat resistant to further
                  | mutation. [potion of mutation]
200652 | Depths:3 | Lost mutation: Your muscles are strong. (Str +4, Int/Dex
                  | -1) [potion of mutation]
200652 | Depths:3 | Lost mutation: You possess an exceptional clarity of mind.
                  | [potion of mutation]
200652 | Depths:3 | Gained mutation: You are covered in fur. (AC +1) [potion of
                  | mutation]
200652 | Depths:3 | Gained mutation: You are somewhat resistant to further
                  | mutation. [potion of mutation]
200653 | Depths:3 | Lost mutation: You are covered in fur. (AC +1) [potion of
                  | mutation]
200653 | Depths:3 | Lost mutation: You are somewhat resistant to further
                  | mutation. [potion of mutation]
200653 | Depths:3 | Gained mutation: Your body sometimes deteriorates upon
                  | taking damage. [potion of mutation]
200653 | Depths:3 | Gained mutation: Your spells are a little easier to cast,
                  | but a little less powerful. [potion of mutation]
200653 | Depths:3 | Gained mutation: You passively map a small area around you.
                  | [potion of mutation]
200653 | Depths:3 | Gained mutation: You have large cloven feet. [potion of
                  | mutation]
200654 | Depths:3 | Lost mutation: You passively map a small area around you.
                  | [potion of mutation]
200654 | Depths:3 | Lost mutation: Your body sometimes deteriorates upon taking
                  | damage. [potion of mutation]
200654 | Depths:3 | Gained mutation: You are agile. (Dex +4, Str/Int -1)
                  | [potion of mutation]
200654 | Depths:3 | Gained mutation: You are dopey. (Int -2) [potion of
                  | mutation]
200654 | Depths:3 | Gained mutation: You have a beak for a mouth. [potion of
                  | mutation]
200654 | Depths:3 | Lost mutation: Your spells are a little easier to cast, but
                  | a little less powerful. [potion of mutation]
200655 | Depths:3 | Lost mutation: You have a beak for a mouth. [potion of
                  | mutation]
200655 | Depths:3 | Lost mutation: You are agile. (Dex +4, Str/Int -1) [potion
                  | of mutation]
200655 | Depths:3 | Lost mutation: You have large cloven feet. [potion of
                  | mutation]
200655 | Depths:3 | Gained mutation: You occasionally shout uncontrollably at
                  | your foes. [potion of mutation]
200655 | Depths:3 | Gained mutation: You are agile. (Dex +4, Str/Int -1)
                  | [potion of mutation]
200655 | Depths:3 | Gained mutation: You occasionally lose the ability to read
                  | scrolls when taking damage. [potion of mutation]
200655 | Depths:3 | Gained mutation: You have a pair of small horns on your
                  | head. [potion of mutation]
200656 | Depths:3 | Lost mutation: You are dopey. (Int -2) [potion of mutation]
200656 | Depths:3 | Lost mutation: You are agile. (Dex +4, Str/Int -1) [potion
                  | of mutation]
200656 | Depths:3 | Lost mutation: You have a pair of small horns on your head.
                  | [potion of mutation]
200657 | Depths:3 | Lost mutation: You occasionally lose the ability to read
                  | scrolls when taking damage. [potion of mutation]
200657 | Depths:3 | Lost mutation: You occasionally shout uncontrollably at
                  | your foes. [potion of mutation]
200657 | Depths:3 | Gained mutation: You are partially covered in iridescent
                  | scales. (AC +2) [potion of mutation]
200657 | Depths:3 | Gained mutation: You are frail. (-10% HP) [potion of
                  | mutation]
200657 | Depths:3 | Gained mutation: You are weak. (Str -2) [potion of
                  | mutation]
200658 | Depths:3 | Lost mutation: You are partially covered in iridescent
                  | scales. (AC +2) [potion of mutation]
200658 | Depths:3 | Lost mutation: You are frail. (-10% HP) [potion of
                  | mutation]
200658 | Depths:3 | Lost mutation: You are weak. (Str -2) [potion of mutation]
200658 | Depths:3 | Gained mutation: Your muscles are strong. (Str +4, Int/Dex
                  | -1) [potion of mutation]
200658 | Depths:3 | Gained mutation: Your flesh is heat resistant. (rF+)
                  | [potion of mutation]
200659 | Depths:3 | Lost mutation: Your muscles are strong. (Str +4, Int/Dex
                  | -1) [potion of mutation]
200659 | Depths:3 | Lost mutation: Your flesh is heat resistant. (rF+) [potion
                  | of mutation]
200659 | Depths:3 | Gained mutation: Your body sometimes deteriorates upon
                  | taking damage. [potion of mutation]
200659 | Depths:3 | Gained mutation: You have sharp fingernails. [potion of
                  | mutation]
200660 | Depths:3 | Lost mutation: Your body sometimes deteriorates upon taking
                  | damage. [potion of mutation]
200660 | Depths:3 | Lost mutation: You have sharp fingernails. [potion of
                  | mutation]
200660 | Depths:3 | Gained mutation: You are frail. (-10% HP) [potion of
                  | mutation]
200660 | Depths:3 | Gained mutation: You have a pair of small horns on your
                  | head. [potion of mutation]
200660 | Depths:3 | Gained mutation: You have very sharp teeth. [potion of
                  | mutation]
200660 | Depths:3 | Gained mutation: Your spells are a little harder to cast,
                  | but a little more powerful. [potion of mutation]
200661 | Depths:3 | Lost mutation: Your spells are a little harder to cast, but
                  | a little more powerful. [potion of mutation]
200661 | Depths:3 | Lost mutation: You are frail. (-10% HP) [potion of
                  | mutation]
200661 | Depths:3 | Gained mutation: You have sharp fingernails. [potion of
                  | mutation]
200661 | Depths:3 | Gained mutation: You have a pair of horns on your head.
                  | [potion of mutation]
200661 | Depths:3 | Gained mutation: You have hidden genetic potential. [potion
                  | of mutation]
200661 | Depths:3 | Gained mutation: You have an increased reservoir of magic.
                  | (+10% MP) [potion of mutation]
200662 | Depths:3 | Lost mutation: You have a pair of horns on your head.
                  | [potion of mutation]
200662 | Depths:3 | Lost mutation: You have an increased reservoir of magic.
                  | (+10% MP) [potion of mutation]
200662 | Depths:3 | Gained mutation: You are frail. (-10% HP) [potion of
                  | mutation]
200662 | Depths:3 | Lost mutation: You are frail. (-10% HP) [potion of
                  | mutation]
200663 | Depths:3 | Lost mutation: You have very sharp teeth. [potion of
                  | mutation]
200663 | Depths:3 | Lost mutation: You have hidden genetic potential. [potion
                  | of mutation]
200663 | Depths:3 | Gained mutation: You have very sharp fingernails. [potion
                  | of mutation]
200663 | Depths:3 | Lost mutation: You have very sharp fingernails. [potion of
                  | mutation]
200663 | Depths:3 | Gained mutation: You passively map a small area around you.
                  | [potion of mutation]
200664 | Depths:3 | Lost mutation: You passively map a small area around you.
                  | [potion of mutation]
200664 | Depths:3 | Lost mutation: You have sharp fingernails. [potion of
                  | mutation]
200664 | Depths:3 | Lost mutation: You have a pair of small horns on your head.
                  | [potion of mutation]
200664 | Depths:3 | Gained mutation: You occasionally lose the ability to drink
                  | potions when taking damage. [potion of mutation]
200664 | Depths:3 | Gained mutation: You passively map a small area around you.
                  | [potion of mutation]
200664 | Depths:3 | Gained mutation: You are frail. (-10% HP) [potion of
                  | mutation]
200664 | Depths:3 | Gained mutation: Your mind is acute. (Int +4, Str/Dex -1)
                  | [potion of mutation]
200665 | Depths:3 | Lost mutation: You passively map a small area around you.
                  | [potion of mutation]
200665 | Depths:3 | Lost mutation: You are frail. (-10% HP) [potion of
                  | mutation]
200665 | Depths:3 | Gained mutation: You sometimes lose your temper in combat.
                  | [potion of mutation]
200665 | Depths:3 | Gained mutation: Your health recovers twice as slowly from
                  | being drained. [potion of mutation]
200665 | Depths:3 | Gained mutation: You expend magic power (3 MP) to
                  | strengthen your wands. [potion of mutation]
200666 | Depths:3 | Lost mutation: You expend magic power (3 MP) to strengthen
                  | your wands. [potion of mutation]
200666 | Depths:3 | Lost mutation: Your health recovers twice as slowly from
                  | being drained. [potion of mutation]
200666 | Depths:3 | Gained mutation: Armour fits poorly on your strangely
                  | shaped body. [potion of mutation]
200666 | Depths:3 | Gained mutation: Your magical capacity is low. (-10% MP)
                  | [potion of mutation]
200667 | Depths:3 | Lost mutation: Armour fits poorly on your strangely shaped
                  | body. [potion of mutation]
200667 | Depths:3 | Lost mutation: You sometimes lose your temper in combat.
                  | [potion of mutation]
200667 | Depths:3 | Lost mutation: Your mind is acute. (Int +4, Str/Dex -1)
                  | [potion of mutation]
200667 | Depths:3 | Gained mutation: Your magical capacity is very low. (-20%
                  | MP) [potion of mutation]
200667 | Depths:3 | Gained mutation: You are strong-willed. (Will+) [potion of
                  | mutation]
200667 | Depths:3 | Gained mutation: You are highly strong-willed. (Will++)
                  | [potion of mutation]
200668 | Depths:3 | Lost mutation: You occasionally lose the ability to drink
                  | potions when taking damage. [potion of mutation]
200668 | Depths:3 | Lost mutation: Your magical capacity is very low. (-20% MP)
                  | [potion of mutation]
200668 | Depths:3 | Gained mutation: You have large cloven feet. [potion of
                  | mutation]
200668 | Depths:3 | Gained mutation: You have hidden genetic defects. [potion
                  | of mutation]
200668 | Depths:3 | Lost mutation: Your magical capacity is low. (-10% MP)
                  | [potion of mutation]
200668 | Depths:3 | Gained mutation: Your mind is acute. (Int +4, Str/Dex -1)
                  | [potion of mutation]
200669 | Depths:3 | Lost mutation: You have hidden genetic defects. [potion of
                  | mutation]
200669 | Depths:3 | Lost mutation: You have large cloven feet. [potion of
                  | mutation]
200669 | Depths:3 | Gained mutation: You sometimes lose your temper in combat.
                  | [potion of mutation]
200670 | Depths:3 | Lost mutation: Your mind is acute. (Int +4, Str/Dex -1)
                  | [potion of mutation]
200670 | Depths:3 | Lost mutation: You sometimes lose your temper in combat.
                  | [potion of mutation]
200670 | Depths:3 | Lost mutation: You are highly strong-willed. (Will++)
                  | [potion of mutation]
200670 | Depths:3 | Gained mutation: Your health recovers twice as slowly from
                  | being drained. [potion of mutation]
200670 | Depths:3 | Gained mutation: You have sharp toenails. [potion of
                  | mutation]
200671 | Depths:3 | Lost mutation: You have sharp toenails. [potion of
                  | mutation]
200671 | Depths:3 | Lost mutation: Your health recovers twice as slowly from
                  | being drained. [potion of mutation]
200671 | Depths:3 | Lost mutation: You are strong-willed. (Will+) [potion of
                  | mutation]
200671 | Depths:3 | Gained mutation: Your flesh is cold resistant. (rC+)
                  | [potion of mutation]
200671 | Depths:3 | Gained mutation: You are frail. (-10% HP) [potion of
                  | mutation]
200671 | Depths:3 | Gained mutation: You are agile. (Dex +4, Str/Int -1)
                  | [potion of mutation]
200671 | Depths:3 | Gained mutation: You have sharp toenails. [potion of
                  | mutation]
200672 | Depths:3 | Lost mutation: Your flesh is cold resistant. (rC+) [potion
                  | of mutation]
200672 | Depths:3 | Lost mutation: You are frail. (-10% HP) [potion of
                  | mutation]
200672 | Depths:3 | Lost mutation: You are agile. (Dex +4, Str/Int -1) [potion
                  | of mutation]
200672 | Depths:3 | Gained mutation: You are occasionally teleported next to
                  | monsters. [potion of mutation]
200672 | Depths:3 | Gained mutation: You sometimes lose your temper in combat.
                  | [potion of mutation]
200672 | Depths:3 | Gained mutation: You expend magic power (3 MP) to
                  | strengthen your wands. [potion of mutation]
200673 | Depths:3 | Lost mutation: You have sharp toenails. [potion of
                  | mutation]
200673 | Depths:3 | Lost mutation: You sometimes lose your temper in combat.
                  | [potion of mutation]
200673 | Depths:3 | Lost mutation: You expend magic power (3 MP) to strengthen
                  | your wands. [potion of mutation]
200673 | Depths:3 | Gained mutation: You have hidden genetic potential. [potion
                  | of mutation]
200674 | Depths:3 | Lost mutation: You are occasionally teleported next to
                  | monsters. [potion of mutation]
200674 | Depths:3 | Lost mutation: You have hidden genetic potential. [potion
                  | of mutation]
200674 | Depths:3 | Gained mutation: You are dopey. (Int -2) [potion of
                  | mutation]
200674 | Depths:3 | Gained mutation: You are agile. (Dex +4, Str/Int -1)
                  | [potion of mutation]
200674 | Depths:3 | Gained mutation: Your muscles are strong. (Str +4, Int/Dex
                  | -1) [potion of mutation]
200675 | Depths:3 | Lost mutation: You are dopey. (Int -2) [potion of mutation]
200675 | Depths:3 | Lost mutation: Your muscles are strong. (Str +4, Int/Dex
                  | -1) [potion of mutation]
200675 | Depths:3 | Lost mutation: You are agile. (Dex +4, Str/Int -1) [potion
                  | of mutation]
200675 | Depths:3 | Gained mutation: Armour fits poorly on your strangely
                  | shaped body. [potion of mutation]
200675 | Depths:3 | Gained mutation: You are partially covered in iridescent
                  | scales. (AC +2) [potion of mutation]
200676 | Depths:3 | Lost mutation: Armour fits poorly on your strangely shaped
                  | body. [potion of mutation]
200676 | Depths:3 | Lost mutation: You are partially covered in iridescent
                  | scales. (AC +2) [potion of mutation]
200676 | Depths:3 | Gained mutation: You occasionally lose the ability to read
                  | scrolls when taking damage. [potion of mutation]
200676 | Depths:3 | Gained mutation: You are strong-willed. (Will+) [potion of
                  | mutation]
200677 | Depths:3 | Lost mutation: You occasionally lose the ability to read
                  | scrolls when taking damage. [potion of mutation]
200677 | Depths:3 | Lost mutation: You are strong-willed. (Will+) [potion of
                  | mutation]
200677 | Depths:3 | Gained mutation: Your muscles are strong. (Str +4, Int/Dex
                  | -1) [potion of mutation]
200677 | Depths:3 | Gained mutation: You are partially covered in iridescent
                  | scales. (AC +2) [potion of mutation]
200678 | Depths:3 | Lost mutation: Your muscles are strong. (Str +4, Int/Dex
                  | -1) [potion of mutation]
200678 | Depths:3 | Lost mutation: You are partially covered in iridescent
                  | scales. (AC +2) [potion of mutation]
200678 | Depths:3 | Gained mutation: You occasionally lose the ability to read
                  | scrolls when taking damage. [potion of mutation]
200678 | Depths:3 | Gained mutation: You are strong-willed. (Will+) [potion of
                  | mutation]
200679 | Depths:3 | Lost mutation: You are strong-willed. (Will+) [potion of
                  | mutation]
200679 | Depths:3 | Lost mutation: You occasionally lose the ability to read
                  | scrolls when taking damage. [potion of mutation]
200679 | Depths:3 | Gained mutation: Your spells are a little harder to cast,
                  | but a little more powerful. [potion of mutation]
200679 | Depths:3 | Gained mutation: Armour fits poorly on your strangely
                  | shaped body. [potion of mutation]
200680 | Depths:3 | Lost mutation: Armour fits poorly on your strangely shaped
                  | body. [potion of mutation]
200680 | Depths:3 | Lost mutation: Your spells are a little harder to cast, but
                  | a little more powerful. [potion of mutation]
200680 | Depths:3 | Gained mutation: Your muscles are strong. (Str +4, Int/Dex
                  | -1) [potion of mutation]
200680 | Depths:3 | Gained mutation: You are clumsy. (Dex -2) [potion of
                  | mutation]
200681 | Depths:3 | Lost mutation: Your muscles are strong. (Str +4, Int/Dex
                  | -1) [potion of mutation]
200681 | Depths:3 | Lost mutation: You are clumsy. (Dex -2) [potion of
                  | mutation]
200681 | Depths:3 | Gained mutation: You are weak. (Str -2) [potion of
                  | mutation]
200681 | Depths:3 | Gained mutation: You possess an exceptional clarity of
                  | mind. [potion of mutation]
200682 | Depths:3 | Lost mutation: You possess an exceptional clarity of mind.
                  | [potion of mutation]
200682 | Depths:3 | Lost mutation: You are weak. (Str -2) [potion of mutation]
200682 | Depths:3 | Gained mutation: You occasionally lose the ability to drink
                  | potions when taking damage. [potion of mutation]
200682 | Depths:3 | Gained mutation: You are robust. (+10% HP) [potion of
                  | mutation]
200682 | Depths:3 | Gained mutation: You are somewhat resistant to further
                  | mutation. [potion of mutation]
200683 | Depths:3 | Lost mutation: You are somewhat resistant to further
                  | mutation. [potion of mutation]
200683 | Depths:3 | Lost mutation: You are robust. (+10% HP) [potion of
                  | mutation]
200683 | Depths:3 | Lost mutation: You occasionally lose the ability to drink
                  | potions when taking damage. [potion of mutation]
200683 | Depths:3 | Gained mutation: You are agile. (Dex +4, Str/Int -1)
                  | [potion of mutation]
200683 | Depths:3 | Gained mutation: Your mind is acute. (Int +4, Str/Dex -1)
                  | [potion of mutation]
200726 | Zig:1    | Entered Level 1 of a ziggurat
200760 | Zig:2    | Entered Level 2 of a ziggurat
200760 | Zig:2    | Noticed Essinu the pandemonium lord
200760 | Zig:2    | Noticed Roabiari the pandemonium lord
200760 | Zig:2    | Noticed Kaingepe the pandemonium lord
200760 | Zig:2    | Noticed Jogg the pandemonium lord
200761 | Zig:2    | Killed Roabiari the pandemonium lord
200761 | Zig:2    | Killed Essinu the pandemonium lord
200762 | Zig:2    | Killed Jogg the pandemonium lord
200763 | Zig:2    | Killed Kaingepe the pandemonium lord
200829 | Zig:3    | Entered Level 3 of a ziggurat
200829 | Zig:3    | Noticed an ancient lich
200829 | Zig:3    | Noticed an ancient lich
200829 | Zig:3    | Noticed an ancient lich
200829 | Zig:3    | Noticed a dread lich
200829 | Zig:3    | Noticed a dread lich
200829 | Zig:3    | Noticed a dread lich
200830 | Zig:3    | Killed an ancient lich
200830 | Zig:3    | Killed an ancient lich
200830 | Zig:3    | Killed a dread lich
200831 | Zig:3    | Killed an ancient lich
200831 | Zig:3    | Killed a dread lich
200834 | Zig:3    | Killed a dread lich
200879 | Zig:3    | Identified the +2 dagger of Eternal Vigilance {spect,
                  | Int+6}
200932 | Zig:4    | Entered Level 4 of a ziggurat
201045 | Zig:5    | Entered Level 5 of a ziggurat
201045 | Zig:5    | Noticed an orb of fire
201045 | Zig:5    | Noticed an orb of fire
201045 | Zig:5    | Noticed an orb of fire
201045 | Zig:5    | Noticed an orb of fire
201045 | Zig:5    | Noticed an orb of fire
201045 | Zig:5    | Noticed an orb of fire
201045 | Zig:5    | Noticed an orb of fire
201047 | Zig:5    | Noticed an orb of fire
201048 | Zig:5    | Killed an orb of fire
201048 | Zig:5    | Killed an orb of fire
201048 | Zig:5    | Killed an orb of fire
201048 | Zig:5    | Killed an orb of fire
201048 | Zig:5    | Noticed an orb of fire
201048 | Zig:5    | Noticed an orb of fire
201049 | Zig:5    | Killed an orb of fire
201049 | Zig:5    | Killed an orb of fire
201049 | Zig:5    | Killed an orb of fire
201049 | Zig:5    | Noticed an orb of fire
201049 | Zig:5    | Noticed an orb of fire
201049 | Zig:5    | Noticed an orb of fire
201050 | Zig:5    | Killed an orb of fire
201050 | Zig:5    | Noticed an orb of fire
201051 | Zig:5    | Noticed an orb of fire
201052 | Zig:5    | Killed an orb of fire
201052 | Zig:5    | Noticed an orb of fire
201053 | Zig:5    | Killed an orb of fire
201053 | Zig:5    | Killed an orb of fire
201053 | Zig:5    | Killed an orb of fire
201053 | Zig:5    | Killed an orb of fire
201053 | Zig:5    | Killed an orb of fire
201053 | Zig:5    | Noticed an orb of fire
201054 | Zig:5    | Killed an orb of fire
201056 | Zig:5    | Killed an orb of fire
201056 | Zig:5    | Noticed an orb of fire
201057 | Zig:5    | Killed an orb of fire
201063 | Zig:5    | Killed an orb of fire
201159 | Zig:5    | Identified the beast talisman "Tokhleyt" {Str+5 Int+2}
201207 | Zig:6    | Entered Level 6 of a ziggurat
201334 | Zig:6    | Identified the +3 longbow of Lotoc {antimagic, ^Fragile
                  | rC++ Str+2 SInv}
201340 | Zig:6    | Identified the +1 cloak of Roto {Str+2}
201351 | Zig:6    | Identified the ring of Foeciw {Fire Dex+3 SInv}
201353 | Zig:6    | Identified the +4 war axe of the Badger {holy, rPois rF+++
                  | Int-2 SInv}
201383 | Zig:7    | Entered Level 7 of a ziggurat
201689 | Zig:8    | Entered Level 8 of a ziggurat
201699 | Zig:8    | Noticed Weseklom the pandemonium lord
201705 | Zig:8    | Killed Weseklom the pandemonium lord
201856 | Zig:8    | Identified the ring of Past Mistakes {Fire Str+3 SInv}
201879 | Zig:8    | Identified the +0 chain mail of the Hanged Man {rPois
                  | Str+5}
201884 | Zig:8    | Identified the dragon-blood talisman of Vistep {rF++ Will+}
201891 | Zig:8    | Identified the ring of Jeynil {rElec Will+}
201958 | Zig:9    | Entered Level 9 of a ziggurat
201973 | Zig:9    | Noticed Huetimyh the pandemonium lord
201976 | Zig:9    | Killed Huetimyh the pandemonium lord
202062 | Zig:9    | Identified the +2 great sword of Vyufeusu {holy, rPois
                  | Dex+4}
202064 | Zig:9    | Identified the +6 hand axe of Agoarirch {antimagic, rC+
                  | Str+2}
202068 | Zig:9    | Identified the amulet of Attitude {Spirit Regen+ Dex+5}
202070 | Zig:9    | Identified the staff of Inference {rN+ Str-2 Int+3 Dex+2
                  | Stlth+ Necro}
202266 | Zig:10   | Entered Level 10 of a ziggurat
202268 | Zig:10   | Noticed Mojoaz's ghost (legendary GrFi)
202268 | Zig:10   | Noticed Mojoaz's ghost (legendary GrFi)
202268 | Zig:10   | Noticed Mojoaz's ghost (legendary GrFi)
202268 | Zig:10   | Noticed Mojoaz's ghost (legendary GrFi)
202269 | Zig:10   | Noticed Mojoaz's ghost (legendary GrFi)
202269 | Zig:10   | Noticed Mojoaz's ghost (legendary GrFi)
202269 | Zig:10   | Noticed Mojoaz's ghost (legendary GrFi)
202269 | Zig:10   | Noticed Mojoaz's ghost (legendary GrFi)
202269 | Zig:10   | Noticed Mojoaz's ghost (legendary GrFi)
202272 | Zig:10   | Noticed Mojoaz's ghost (legendary GrFi)
202273 | Zig:10   | Noticed Mojoaz's ghost (legendary GrFi)
202273 | Zig:10   | Noticed Mojoaz's ghost (legendary GrFi)
202274 | Zig:10   | Noticed Mojoaz's ghost (legendary GrFi)
202274 | Zig:10   | Noticed Mojoaz's ghost (legendary GrFi)
202275 | Zig:10   | Killed Mojoaz's ghost
202275 | Zig:10   | Killed Mojoaz's ghost
202275 | Zig:10   | Killed Mojoaz's ghost
202275 | Zig:10   | Noticed Mojoaz's ghost (legendary GrFi)
202275 | Zig:10   | Noticed Mojoaz's ghost (legendary GrFi)
202275 | Zig:10   | Noticed Mojoaz's ghost (legendary GrFi)
202277 | Zig:10   | Noticed Mojoaz's ghost (legendary GrFi)
202278 | Zig:10   | Killed Mojoaz's ghost
202278 | Zig:10   | Killed Mojoaz's ghost
202278 | Zig:10   | Killed Mojoaz's ghost
202278 | Zig:10   | Killed Mojoaz's ghost
202278 | Zig:10   | Killed Mojoaz's ghost
202278 | Zig:10   | Killed Mojoaz's ghost
202279 | Zig:10   | Killed Mojoaz's ghost
202279 | Zig:10   | Killed Mojoaz's ghost
202279 | Zig:10   | Killed Mojoaz's ghost
202279 | Zig:10   | Killed Mojoaz's ghost
202279 | Zig:10   | Killed Mojoaz's ghost
202280 | Zig:10   | Killed Mojoaz's ghost
202280 | Zig:10   | Noticed Mojoaz's ghost (legendary GrFi)
202280 | Zig:10   | Noticed Mojoaz's ghost (legendary GrFi)
202280 | Zig:10   | Noticed Mojoaz's ghost (legendary GrFi)
202281 | Zig:10   | Noticed Mojoaz's ghost (legendary GrFi)
202281 | Zig:10   | Killed Mojoaz's ghost
202281 | Zig:10   | Noticed Mojoaz's ghost (legendary GrFi)
202282 | Zig:10   | Noticed Mojoaz's ghost (legendary GrFi)
202282 | Zig:10   | Noticed Mojoaz's ghost (legendary GrFi)
202282 | Zig:10   | Noticed Mojoaz's ghost (legendary GrFi)
202284 | Zig:10   | Killed Mojoaz's ghost
202284 | Zig:10   | Killed Mojoaz's ghost
202284 | Zig:10   | Killed Mojoaz's ghost
202284 | Zig:10   | Killed Mojoaz's ghost
202284 | Zig:10   | Killed Mojoaz's ghost
202284 | Zig:10   | Noticed Mojoaz's ghost (legendary GrFi)
202285 | Zig:10   | Killed Mojoaz's ghost
202285 | Zig:10   | Noticed Mojoaz's ghost (legendary GrFi)
202285 | Zig:10   | Noticed Mojoaz's ghost (legendary GrFi)
202286 | Zig:10   | Killed Mojoaz's ghost
202288 | Zig:10   | Noticed Mojoaz's ghost (legendary GrFi)
202288 | Zig:10   | Killed Mojoaz's ghost
202288 | Zig:10   | Killed Mojoaz's ghost
202288 | Zig:10   | Noticed Mojoaz's ghost (legendary GrFi)
202288 | Zig:10   | Noticed Mojoaz's ghost (legendary GrFi)
202289 | Zig:10   | Killed Mojoaz's ghost
202289 | Zig:10   | Killed Mojoaz's ghost
202291 | Zig:10   | Killed Mojoaz's ghost
202292 | Zig:10   | Killed Mojoaz's ghost
202292 | Zig:10   | Killed Mojoaz's ghost
202294 | Zig:10   | Killed Mojoaz's ghost
202295 | Zig:10   | Noticed Mojoaz's ghost (legendary GrFi)
202296 | Zig:10   | Killed Mojoaz's ghost
202299 | Zig:10   | Noticed Mojoaz's ghost (legendary GrFi)
202300 | Zig:10   | Killed Mojoaz's ghost
202306 | Zig:10   | Killed Mojoaz's ghost
202415 | Zig:10   | Identified the +6 great sword "Pynaf" {vamp, rF++ rC+ Will+
                  | Str+2}
202417 | Zig:10   | Identified the +8 fire dragon scales "Urphidee" {rF++ rC-
                  | Will+ rCorr}
202421 | Zig:10   | Identified the +7 great mace of Midsummer {flame, rC+
                  | Dex+4}
202424 | Zig:10   | Identified the ring of Zoc Teacw {*Slow rElec Will+++ Int-4
                  | Dex+6}
202503 | Zig:11   | Entered Level 11 of a ziggurat
202504 | Zig:11   | Noticed Kuelalim the pandemonium lord
202504 | Zig:11   | Noticed Ruedeis the pandemonium lord
202504 | Zig:11   | Noticed Quushaur the pandemonium lord
202504 | Zig:11   | Noticed Caproz the pandemonium lord
202504 | Zig:11   | Noticed Qoledip the pandemonium lord
202504 | Zig:11   | Noticed Ecaessi the pandemonium lord
202504 | Zig:11   | Noticed Kexzick the pandemonium lord
202505 | Zig:11   | Noticed Fiuzurumn the pandemonium lord
202505 | Zig:11   | Noticed Rarr the pandemonium lord
202505 | Zig:11   | Noticed Degofoo the pandemonium lord
202506 | Zig:11   | Noticed Cywo Wyr the pandemonium lord
202506 | Zig:11   | Noticed Taurphuu the pandemonium lord
202506 | Zig:11   | Noticed Viom Ivoe the pandemonium lord
202506 | Zig:11   | Noticed Cear Ojefabe the pandemonium lord
202506 | Zig:11   | Noticed Xufa Cui the pandemonium lord
202507 | Zig:11   | Killed Viom Ivoe the pandemonium lord
202507 | Zig:11   | Noticed Guurydig the pandemonium lord
202508 | Zig:11   | Killed Quushaur the pandemonium lord
202508 | Zig:11   | Killed Ruedeis the pandemonium lord
202508 | Zig:11   | Killed Taurphuu the pandemonium lord
202508 | Zig:11   | Killed Degofoo the pandemonium lord
202508 | Zig:11   | Noticed Iheasab the pandemonium lord
202508 | Zig:11   | Noticed Qaykyps the pandemonium lord
202510 | Zig:11   | Killed Ecaessi the pandemonium lord
202510 | Zig:11   | Killed Qoledip the pandemonium lord
202511 | Zig:11   | Noticed Niwkos the pandemonium lord
202511 | Zig:11   | Killed Caproz the pandemonium lord
202511 | Zig:11   | Killed Rarr the pandemonium lord
202511 | Zig:11   | Noticed Xomij the pandemonium lord
202512 | Zig:11   | Killed Qaykyps the pandemonium lord
202512 | Zig:11   | Noticed Tunerib the pandemonium lord
202512 | Zig:11   | Noticed Cenyub the pandemonium lord
202512 | Zig:11   | Noticed Raefacec the pandemonium lord
202513 | Zig:11   | Noticed Ahijinn the pandemonium lord
202513 | Zig:11   | Killed Xomij the pandemonium lord
202513 | Zig:11   | Killed Cywo Wyr the pandemonium lord
202514 | Zig:11   | Noticed Kisylouf the pandemonium lord
202514 | Zig:11   | Killed Iheasab the pandemonium lord
202515 | Zig:11   | Noticed Utiodwig the pandemonium lord
202515 | Zig:11   | Killed Kisylouf the pandemonium lord
202515 | Zig:11   | Killed Cear Ojefabe the pandemonium lord
202515 | Zig:11   | Killed Guurydig the pandemonium lord
202515 | Zig:11   | Killed Kuelalim the pandemonium lord
202515 | Zig:11   | Killed Cenyub the pandemonium lord
202515 | Zig:11   | Killed Kexzick the pandemonium lord
202515 | Zig:11   | Noticed Lajyeb the pandemonium lord
202515 | Zig:11   | Noticed Koty the pandemonium lord
202517 | Zig:11   | Noticed Tofiqall the pandemonium lord
202517 | Zig:11   | Noticed Natuih the pandemonium lord
202517 | Zig:11   | Killed Fiuzurumn the pandemonium lord
202517 | Zig:11   | Killed Tunerib the pandemonium lord
202517 | Zig:11   | Killed Xufa Cui the pandemonium lord
202518 | Zig:11   | Killed Koty the pandemonium lord
202518 | Zig:11   | Killed Raefacec the pandemonium lord
202518 | Zig:11   | Killed Utiodwig the pandemonium lord
202519 | Zig:11   | Noticed Parim the pandemonium lord
202519 | Zig:11   | Killed Tofiqall the pandemonium lord
202519 | Zig:11   | Killed Niwkos the pandemonium lord
202519 | Zig:11   | Killed Parim the pandemonium lord
202519 | Zig:11   | Noticed Uvil the pandemonium lord
202519 | Zig:11   | Noticed Tokoannu the pandemonium lord
202519 | Zig:11   | Noticed Seutekk the pandemonium lord
202521 | Zig:11   | Killed Ahijinn the pandemonium lord
202521 | Zig:11   | Killed Lajyeb the pandemonium lord
202522 | Zig:11   | Killed Natuih the pandemonium lord
202523 | Zig:11   | Noticed Joats the pandemonium lord
202524 | Zig:11   | Noticed Bimawoth the pandemonium lord
202525 | Zig:11   | Killed Uvil the pandemonium lord
202526 | Zig:11   | Killed Tokoannu the pandemonium lord
202526 | Zig:11   | Killed Seutekk the pandemonium lord
202526 | Zig:11   | Noticed Koaniy the pandemonium lord
202526 | Zig:11   | Killed Joats the pandemonium lord
202527 | Zig:11   | Noticed Baxuogh the pandemonium lord
202527 | Zig:11   | Noticed Munaxtea the pandemonium lord
202529 | Zig:11   | Killed Bimawoth the pandemonium lord
202529 | Zig:11   | Killed Munaxtea the pandemonium lord
202529 | Zig:11   | Killed Baxuogh the pandemonium lord
202529 | Zig:11   | Noticed Hypnej the pandemonium lord
202529 | Zig:11   | Noticed Javvaek the pandemonium lord
202530 | Zig:11   | Noticed Aqucvu the pandemonium lord
202531 | Zig:11   | Killed Hypnej the pandemonium lord
202531 | Zig:11   | Noticed Ohuph the pandemonium lord
202532 | Zig:11   | Killed Koaniy the pandemonium lord
202532 | Zig:11   | Noticed Vuapp the pandemonium lord
202533 | Zig:11   | Killed Javvaek the pandemonium lord
202534 | Zig:11   | Killed Aqucvu the pandemonium lord
202534 | Zig:11   | Killed Ohuph the pandemonium lord
202536 | Zig:11   | Noticed Bangaops the pandemonium lord
202539 | Zig:11   | Killed Bangaops the pandemonium lord
202539 | Zig:11   | Killed Vuapp the pandemonium lord
202634 | Zig:11   | Identified the ring of the Firefly {Will+ Int+2}
202642 | Zig:11   | Identified the +0 chain mail of Intercession {Str+3}
202646 | Zig:11   | Identified the +1 hand axe "Gixtylab" {drain, Will+ Dex+2}
202843 | Zig:12   | Entered Level 12 of a ziggurat
203196 | Zig:12   | Identified the +4 war axe of Optimality {holy, ^Drain rC+
                  | SInv}
203198 | Zig:12   | Identified the +1 helmet of Mumblety Peg {rC+ Dex+6}
203212 | Zig:12   | Identified the +2 scimitar "Vaut" {flame, rPois rC- rCorr
                  | Str+4}
203234 | Zig:12   | Identified the +1 robe of the Bells {-Tele +Inv Int+3 SInv}
203304 | Zig:13   | Entered Level 13 of a ziggurat
203376 | Zig:13   | Identified the +10 long sword "Sukieqea" {spect, rElec rC++
                  | Dex+2}
203394 | Zig:13   | Identified the ring "Beoppeb" {AC+4 Int+2}
203409 | Zig:13   | Identified the +9 hand axe "Embalmer" {freeze, rPois rF++
                  | rN+++ Str-2}
203417 | Zig:13   | Identified the +1 cloak of the Gloaming {rF+ Will- rCorr
                  | Dex+3}
203418 | Zig:13   | Identified the +9 short sword of the Smoking Oracle {drain,
                  | rF- Will+ Dex+4 SInv}
203423 | Zig:13   | Identified the ring "Peop" {rPois rF+ MP+9 Int-2 Dex+4}
203425 | Zig:13   | Identified the staff "Orb Guardian's Curse" {rC+ rN+ Necro}
203449 | Zig:13   | Identified the +5 great mace of Attainder {freeze, Int+3
                  | Dex+2}
203522 | Zig:13   | Identified the +0 pair of boots of Geygguss {Str+3 Int+5
                  | Dex-3}
203740 | Zig:14   | Entered Level 14 of a ziggurat
203935 | Zig:14   | Identified the +6 dagger of Blood {flame, ^Contam rC+ MP+9
                  | Str+7}
203937 | Zig:14   | Identified the +0 scale mail of Apathy {rF+ rC+ rCorr}
204053 | Zig:14   | Identified the +6 short sword of the Gnat {speed, rElec rN+
                  | Int-2}
204057 | Zig:14   | Identified the ring of Sovuathu {Fire Fly}
204067 | Zig:14   | Identified the staff of Kawku {+Blink rN+ Int+5 Necro}
204071 | Zig:14   | Identified the staff of Offence {Int+3 Dex+3 Conj Tloc}
204073 | Zig:14   | Identified the amulet of Porai {Acrobat Harm rF+}
204078 | Zig:14   | Identified the +6 plate armour of Restlessness {rF+}
204116 | Zig:14   | Identified the +9 spear of Big Damage {elec, Will- Str+3
                  | Dex+4}
204128 | Zig:14   | Identified the +3 mace of Gluttony {drain, Str+4}
204153 | Zig:14   | Identified the +5 arbalest of Tartarus {drain, SInv}
204154 | Zig:14   | Identified the ring of the Little Devil {+Blink rN+ Will+
                  | SInv}
204156 | Zig:14   | Identified the staff of the Enchanted Forest {Conj Earth}
204214 | Zig:15   | Entered Level 15 of a ziggurat
204220 | Zig:15   | Noticed Mojoaz's ghost (legendary GrFi)
204220 | Zig:15   | Noticed Mojoaz's ghost (legendary GrFi)
204220 | Zig:15   | Noticed Mojoaz's ghost (legendary GrFi)
204220 | Zig:15   | Noticed Mojoaz's ghost (legendary GrFi)
204220 | Zig:15   | Noticed Mojoaz's ghost (legendary GrFi)
204221 | Zig:15   | Noticed Mojoaz's ghost (legendary GrFi)
204222 | Zig:15   | Noticed Mojoaz's ghost (legendary GrFi)
204222 | Zig:15   | Noticed Mojoaz's ghost (legendary GrFi)
204222 | Zig:15   | Noticed Mojoaz's ghost (legendary GrFi)
204223 | Zig:15   | Noticed Mojoaz's ghost (legendary GrFi)
204223 | Zig:15   | Noticed Mojoaz's ghost (legendary GrFi)
204223 | Zig:15   | Noticed Mojoaz's ghost (legendary GrFi)
204223 | Zig:15   | Noticed Mojoaz's ghost (legendary GrFi)
204225 | Zig:15   | Killed Mojoaz's ghost
204225 | Zig:15   | Killed Mojoaz's ghost
204225 | Zig:15   | Noticed Mojoaz's ghost (legendary GrFi)
204225 | Zig:15   | Noticed Mojoaz's ghost (legendary GrFi)
204226 | Zig:15   | Killed Mojoaz's ghost
204226 | Zig:15   | Killed Mojoaz's ghost
204226 | Zig:15   | Killed Mojoaz's ghost
204226 | Zig:15   | Killed Mojoaz's ghost
204226 | Zig:15   | Killed Mojoaz's ghost
204226 | Zig:15   | Noticed Mojoaz's ghost (legendary GrFi)
204226 | Zig:15   | Noticed Mojoaz's ghost (legendary GrFi)
204226 | Zig:15   | Noticed Mojoaz's ghost (legendary GrFi)
204226 | Zig:15   | Noticed Mojoaz's ghost (legendary GrFi)
204228 | Zig:15   | Killed Mojoaz's ghost
204228 | Zig:15   | Killed Mojoaz's ghost
204228 | Zig:15   | Killed Mojoaz's ghost
204228 | Zig:15   | Noticed Mojoaz's ghost (legendary GrFi)
204228 | Zig:15   | Noticed Mojoaz's ghost (legendary GrFi)
204229 | Zig:15   | Noticed Mojoaz's ghost (legendary GrFi)
204229 | Zig:15   | Killed Mojoaz's ghost
204229 | Zig:15   | Killed Mojoaz's ghost
204229 | Zig:15   | Killed Mojoaz's ghost
204229 | Zig:15   | Noticed Mojoaz's ghost (legendary GrFi)
204229 | Zig:15   | Noticed Mojoaz's ghost (legendary GrFi)
204229 | Zig:15   | Noticed Mojoaz's ghost (legendary GrFi)
204230 | Zig:15   | Killed Mojoaz's ghost
204230 | Zig:15   | Killed Mojoaz's ghost
204231 | Zig:15   | Killed Mojoaz's ghost
204231 | Zig:15   | Noticed Mojoaz's ghost (legendary GrFi)
204231 | Zig:15   | Noticed Mojoaz's ghost (legendary GrFi)
204231 | Zig:15   | Noticed Mojoaz's ghost (legendary GrFi)
204232 | Zig:15   | Killed Mojoaz's ghost
204232 | Zig:15   | Killed Mojoaz's ghost
204232 | Zig:15   | Killed Mojoaz's ghost
204232 | Zig:15   | Noticed Mojoaz's ghost (legendary GrFi)
204232 | Zig:15   | Noticed Mojoaz's ghost (legendary GrFi)
204232 | Zig:15   | Noticed Mojoaz's ghost (legendary GrFi)
204232 | Zig:15   | Noticed Mojoaz's ghost (legendary GrFi)
204233 | Zig:15   | Killed Mojoaz's ghost
204233 | Zig:15   | Killed Mojoaz's ghost
204233 | Zig:15   | Killed Mojoaz's ghost
204234 | Zig:15   | Killed Mojoaz's ghost
204234 | Zig:15   | Killed Mojoaz's ghost
204234 | Zig:15   | Noticed Mojoaz's ghost (legendary GrFi)
204234 | Zig:15   | Noticed Mojoaz's ghost (legendary GrFi)
204235 | Zig:15   | Noticed Mojoaz's ghost (legendary GrFi)
204237 | Zig:15   | Noticed Mojoaz's ghost (legendary GrFi)
204237 | Zig:15   | Noticed Mojoaz's ghost (legendary GrFi)
204237 | Zig:15   | Noticed Mojoaz's ghost (legendary GrFi)
204237 | Zig:15   | Noticed Mojoaz's ghost (legendary GrFi)
204237 | Zig:15   | Noticed Mojoaz's ghost (legendary GrFi)
204238 | Zig:15   | Killed Mojoaz's ghost
204238 | Zig:15   | Killed Mojoaz's ghost
204238 | Zig:15   | Noticed Mojoaz's ghost (legendary GrFi)
204238 | Zig:15   | Noticed Mojoaz's ghost (legendary GrFi)
204238 | Zig:15   | Noticed Mojoaz's ghost (legendary GrFi)
204240 | Zig:15   | Killed Mojoaz's ghost
204240 | Zig:15   | Killed Mojoaz's ghost
204240 | Zig:15   | Killed Mojoaz's ghost
204240 | Zig:15   | Noticed Mojoaz's ghost (legendary GrFi)
204241 | Zig:15   | Killed Mojoaz's ghost
204241 | Zig:15   | Killed Mojoaz's ghost
204241 | Zig:15   | Killed Mojoaz's ghost
204242 | Zig:15   | Noticed Mojoaz's ghost (legendary GrFi)
204243 | Zig:15   | Noticed Mojoaz's ghost (legendary GrFi)
204243 | Zig:15   | Noticed Mojoaz's ghost (legendary GrFi)
204244 | Zig:15   | Killed Mojoaz's ghost
204244 | Zig:15   | Killed Mojoaz's ghost
204245 | Zig:15   | Noticed Mojoaz's ghost (legendary GrFi)
204245 | Zig:15   | Noticed Mojoaz's ghost (legendary GrFi)
204245 | Zig:15   | Noticed Mojoaz's ghost (legendary GrFi)
204246 | Zig:15   | Noticed Mojoaz's ghost (legendary GrFi)
204246 | Zig:15   | Killed Mojoaz's ghost
204246 | Zig:15   | Killed Mojoaz's ghost
204246 | Zig:15   | Killed Mojoaz's ghost
204246 | Zig:15   | Killed Mojoaz's ghost
204247 | Zig:15   | Killed Mojoaz's ghost
204247 | Zig:15   | Killed Mojoaz's ghost
204247 | Zig:15   | Killed Mojoaz's ghost
204247 | Zig:15   | Killed Mojoaz's ghost
204247 | Zig:15   | Killed Mojoaz's ghost
204248 | Zig:15   | Killed Mojoaz's ghost
204248 | Zig:15   | Noticed Mojoaz's ghost (legendary GrFi)
204248 | Zig:15   | Noticed Mojoaz's ghost (legendary GrFi)
204249 | Zig:15   | Noticed Mojoaz's ghost (legendary GrFi)
204249 | Zig:15   | Noticed Mojoaz's ghost (legendary GrFi)
204250 | Zig:15   | Killed Mojoaz's ghost
204250 | Zig:15   | Killed Mojoaz's ghost
204250 | Zig:15   | Killed Mojoaz's ghost
204250 | Zig:15   | Killed Mojoaz's ghost
204251 | Zig:15   | Killed Mojoaz's ghost
204251 | Zig:15   | Killed Mojoaz's ghost
204251 | Zig:15   | Noticed Mojoaz's ghost (legendary GrFi)
204251 | Zig:15   | Noticed Mojoaz's ghost (legendary GrFi)
204252 | Zig:15   | Killed Mojoaz's ghost
204252 | Zig:15   | Killed Mojoaz's ghost
204253 | Zig:15   | Killed Mojoaz's ghost
204254 | Zig:15   | Killed Mojoaz's ghost
204254 | Zig:15   | Killed Mojoaz's ghost
204254 | Zig:15   | Noticed Mojoaz's ghost (legendary GrFi)
204255 | Zig:15   | Killed Mojoaz's ghost
204255 | Zig:15   | Noticed Mojoaz's ghost (legendary GrFi)
204255 | Zig:15   | Noticed Mojoaz's ghost (legendary GrFi)
204257 | Zig:15   | Noticed Mojoaz's ghost (legendary GrFi)
204258 | Zig:15   | Killed Mojoaz's ghost
204260 | Zig:15   | Killed Mojoaz's ghost
204260 | Zig:15   | Killed Mojoaz's ghost
204261 | Zig:15   | Killed Mojoaz's ghost
204261 | Zig:15   | Noticed Mojoaz's ghost (legendary GrFi)
204264 | Zig:15   | Killed Mojoaz's ghost
204266 | Zig:15   | Killed Mojoaz's ghost
204504 | Zig:15   | Identified the ring "Jyuzxaom" {Wiz +Blink rF+ Slay+3}
204524 | Zig:15   | Identified the +0 chain mail "Woufrac" {Rampage rC+ Dex+3}
204525 | Zig:15   | Identified the +5 great mace "Geqami" {protect, Int+4}
204529 | Zig:15   | Identified the +0 rapier "Ennoth" {flame, Int+3}
204530 | Zig:15   | Identified the +0 dire flail "Xynovo" {speed, rCorr}
204545 | Zig:15   | Identified the ring of Eternal Night {Wiz Str+5}
204548 | Zig:15   | Identified the ring "Anuokhleaq" {rC+ Will+}
204550 | Zig:15   | Identified the +1 whip of Zacywkur {drain, rPois rC+ Dex-4}
204552 | Zig:15   | Identified the +10 mace of Implojin's Death {distort, rElec
                  | rC- Stlth+}
204556 | Zig:15   | Identified the staff "Lazuen" {Will+ Int+2 Conj Necro}
204558 | Zig:15   | Identified the +0 battleaxe "Yshyca Erupn" {protect, *Noise
                  | rCorr Dex+3}
204560 | Zig:15   | Identified the +0 robe of Sug Fiomp {-Tele Int+4}
204561 | Zig:15   | Identified the +1 acid dragon scales "Vuhoocz Obont" {rC+
                  | rN+ rCorr}
204567 | Zig:15   | Identified the +7 rapier "Lakluocu" {flame, rCorr}
204584 | Zig:16   | Entered Level 16 of a ziggurat
205152 | Zig:17   | Entered Level 17 of a ziggurat
205158 | Zig:17   | Noticed Ewitse the pandemonium lord
205158 | Zig:17   | Noticed Fer Wyt the pandemonium lord
205158 | Zig:17   | Noticed Muara the pandemonium lord
205159 | Zig:17   | Noticed Eschemez the pandemonium lord
205159 | Zig:17   | Noticed Gerphats the pandemonium lord
205159 | Zig:17   | Noticed Sishrum the pandemonium lord
205159 | Zig:17   | Noticed Giokathro the pandemonium lord
205159 | Zig:17   | Noticed Jumovamp the pandemonium lord
205159 | Zig:17   | Noticed Sauc the pandemonium lord
205159 | Zig:17   | Noticed Guleip the pandemonium lord
205160 | Zig:17   | Noticed Vimonno the pandemonium lord
205161 | Zig:17   | Noticed Kuasmaikk the pandemonium lord
205161 | Zig:17   | Noticed Koujec the pandemonium lord
205161 | Zig:17   | Noticed Iqodeus the pandemonium lord
205162 | Zig:17   | Noticed Beem the pandemonium lord
205162 | Zig:17   | Noticed Kuzara the pandemonium lord
205162 | Zig:17   | Noticed Tiuxtaca the pandemonium lord
205163 | Zig:17   | Noticed Nidelee the pandemonium lord
205163 | Zig:17   | Killed Fer Wyt the pandemonium lord
205163 | Zig:17   | Killed Gerphats the pandemonium lord
205163 | Zig:17   | Killed Sauc the pandemonium lord
205163 | Zig:17   | Killed Koujec the pandemonium lord
205163 | Zig:17   | Killed Ewitse the pandemonium lord
205163 | Zig:17   | Noticed Taad Xee the pandemonium lord
205164 | Zig:17   | Killed Muara the pandemonium lord
205164 | Zig:17   | Killed Eschemez the pandemonium lord
205164 | Zig:17   | Killed Giokathro the pandemonium lord
205164 | Zig:17   | Noticed Gaotzat the pandemonium lord
205165 | Zig:17   | Killed Taad Xee the pandemonium lord
205165 | Zig:17   | Noticed Amysus the pandemonium lord
205166 | Zig:17   | Noticed Laefi the pandemonium lord
205167 | Zig:17   | Noticed Iguahix the pandemonium lord
205167 | Zig:17   | Noticed Tallufew the pandemonium lord
205167 | Zig:17   | Noticed Zyefi the pandemonium lord
205168 | Zig:17   | Noticed Acileic the pandemonium lord
205168 | Zig:17   | Noticed Peav the pandemonium lord
205170 | Zig:17   | Killed Nidelee the pandemonium lord
205170 | Zig:17   | Noticed Beij the pandemonium lord
205170 | Zig:17   | Noticed Zesustyr the pandemonium lord
205170 | Zig:17   | Noticed Qilaf the pandemonium lord
205170 | Zig:17   | Noticed Reaxyehoc the pandemonium lord
205171 | Zig:17   | Noticed Nergha the pandemonium lord
205172 | Zig:17   | Noticed Oppup the pandemonium lord
205172 | Zig:17   | Noticed Vegg the pandemonium lord
205172 | Zig:17   | Noticed Ytelyax the pandemonium lord
205172 | Zig:17   | Noticed Nosofub the pandemonium lord
205173 | Zig:17   | Noticed Hyisoown the pandemonium lord
205173 | Zig:17   | Killed Zyefi the pandemonium lord
205173 | Zig:17   | Killed Iguahix the pandemonium lord
205173 | Zig:17   | Killed Gaotzat the pandemonium lord
205173 | Zig:17   | Killed Vimonno the pandemonium lord
205173 | Zig:17   | Killed Tiuxtaca the pandemonium lord
205173 | Zig:17   | Killed Guleip the pandemonium lord
205173 | Zig:17   | Killed Acileic the pandemonium lord
205173 | Zig:17   | Killed Reaxyehoc the pandemonium lord
205173 | Zig:17   | Killed Zesustyr the pandemonium lord
205173 | Zig:17   | Noticed Weulot the pandemonium lord
205174 | Zig:17   | Noticed Raaxeluy the pandemonium lord
205174 | Zig:17   | Noticed Kadaf the pandemonium lord
205175 | Zig:17   | Killed Kuasmaikk the pandemonium lord
205175 | Zig:17   | Killed Iqodeus the pandemonium lord
205175 | Zig:17   | Killed Amysus the pandemonium lord
205175 | Zig:17   | Killed Tallufew the pandemonium lord
205175 | Zig:17   | Killed Kuzara the pandemonium lord
205175 | Zig:17   | Killed Weulot the pandemonium lord
205175 | Zig:17   | Noticed Toeff the pandemonium lord
205175 | Zig:17   | Noticed Emewk the pandemonium lord
205175 | Zig:17   | Noticed Beamp the pandemonium lord
205176 | Zig:17   | Killed Jumovamp the pandemonium lord
205176 | Zig:17   | Killed Raaxeluy the pandemonium lord
205176 | Zig:17   | Killed Kadaf the pandemonium lord
205176 | Zig:17   | Noticed Ubuniz the pandemonium lord
205176 | Zig:17   | Noticed Uvaegyat the pandemonium lord
205177 | Zig:17   | Killed Oppup the pandemonium lord
205177 | Zig:17   | Killed Beij the pandemonium lord
205177 | Zig:17   | Noticed Gyotiuca the pandemonium lord
205178 | Zig:17   | Noticed Zestror the pandemonium lord
205178 | Zig:17   | Noticed Pyageonk the pandemonium lord
205179 | Zig:17   | Noticed Qerolac the pandemonium lord
205179 | Zig:17   | Killed Nergha the pandemonium lord
205180 | Zig:17   | Noticed Hilisik the pandemonium lord
205180 | Zig:17   | Noticed Rolacooh the pandemonium lord
205181 | Zig:17   | Killed Beamp the pandemonium lord
205181 | Zig:17   | Killed Beem the pandemonium lord
205181 | Zig:17   | Noticed Vyalapso the pandemonium lord
205182 | Zig:17   | Noticed Xeipenet the pandemonium lord
205182 | Zig:17   | Killed Nosofub the pandemonium lord
205182 | Zig:17   | Killed Gyotiuca the pandemonium lord
205182 | Zig:17   | Killed Ubuniz the pandemonium lord
205182 | Zig:17   | Noticed Loama the pandemonium lord
205183 | Zig:17   | Killed Toeff the pandemonium lord
205183 | Zig:17   | Killed Qerolac the pandemonium lord
205183 | Zig:17   | Killed Hyisoown the pandemonium lord
205183 | Zig:17   | Noticed Vorphy the pandemonium lord
205183 | Zig:17   | Noticed Tesaz the pandemonium lord
205183 | Zig:17   | Noticed Poelal the pandemonium lord
205183 | Zig:17   | Killed Pyageonk the pandemonium lord
205184 | Zig:17   | Killed Laefi the pandemonium lord
205185 | Zig:17   | Killed Zestror the pandemonium lord
205185 | Zig:17   | Killed Xaeseda the pandemonium lord
205185 | Zig:17   | Killed Emewk the pandemonium lord
205186 | Zig:17   | Killed Rolacooh the pandemonium lord
205186 | Zig:17   | Killed Vegg the pandemonium lord
205186 | Zig:17   | Noticed Quwk the pandemonium lord
205186 | Zig:17   | Killed Loama the pandemonium lord
205186 | Zig:17   | Noticed Liufiof the pandemonium lord
205187 | Zig:17   | Noticed Mowopob the pandemonium lord
205187 | Zig:17   | Killed Peav the pandemonium lord
205187 | Zig:17   | Killed Sishrum the pandemonium lord
205187 | Zig:17   | Noticed Upiucesahi the pandemonium lord
205187 | Zig:17   | Noticed Puwablol the pandemonium lord
205187 | Zig:17   | Noticed Ukakoaz the pandemonium lord
205188 | Zig:17   | Noticed Zuka the pandemonium lord
205189 | Zig:17   | Killed Vyalapso the pandemonium lord
205189 | Zig:17   | Killed Qilaf the pandemonium lord
205189 | Zig:17   | Killed Uvaegyat the pandemonium lord
205189 | Zig:17   | Killed Ytelyax the pandemonium lord
205189 | Zig:17   | Killed Ukakoaz the pandemonium lord
205189 | Zig:17   | Killed Quwk the pandemonium lord
205190 | Zig:17   | Noticed Macaerha the pandemonium lord
205190 | Zig:17   | Noticed Beinovack the pandemonium lord
205191 | Zig:17   | Killed Mowopob the pandemonium lord
205191 | Zig:17   | Killed Tesaz the pandemonium lord
205191 | Zig:17   | Killed Upiucesahi the pandemonium lord
205191 | Zig:17   | Noticed Niwiud the pandemonium lord
205192 | Zig:17   | Killed Puwablol the pandemonium lord
205192 | Zig:17   | Killed Vorphy the pandemonium lord
205192 | Zig:17   | Killed Beinovack the pandemonium lord
205192 | Zig:17   | Noticed Fiuziex the pandemonium lord
205192 | Zig:17   | Noticed Vetz the pandemonium lord
205192 | Zig:17   | Noticed Apepeloj the pandemonium lord
205193 | Zig:17   | Killed Liufiof the pandemonium lord
205193 | Zig:17   | Killed Hilisik the pandemonium lord
205193 | Zig:17   | Noticed Koipluq the pandemonium lord
205194 | Zig:17   | Noticed Kaozxa Canel the pandemonium lord
205195 | Zig:17   | Killed Zuka the pandemonium lord
205195 | Zig:17   | Killed Macaerha the pandemonium lord
205195 | Zig:17   | Noticed Heat the pandemonium lord
205196 | Zig:17   | Killed Kaozxa Canel the pandemonium lord
205196 | Zig:17   | Noticed Werousch the pandemonium lord
205196 | Zig:17   | Noticed Peinn the pandemonium lord
205196 | Zig:17   | Noticed Echusoas the pandemonium lord
205197 | Zig:17   | Killed Vetz the pandemonium lord
205197 | Zig:17   | Noticed Kigy the pandemonium lord
205197 | Zig:17   | Noticed Seuch the pandemonium lord
205198 | Zig:17   | Killed Koipluq the pandemonium lord
205198 | Zig:17   | Killed Apepeloj the pandemonium lord
205198 | Zig:17   | Killed Heat the pandemonium lord
205198 | Zig:17   | Noticed Ytutum the pandemonium lord
205199 | Zig:17   | Killed Fiuziex the pandemonium lord
205199 | Zig:17   | Killed Echusoas the pandemonium lord
205199 | Zig:17   | Noticed Pyorchie the pandemonium lord
205199 | Zig:17   | Noticed Kiagerei the pandemonium lord
205200 | Zig:17   | Killed Werousch the pandemonium lord
205200 | Zig:17   | Killed Niwiud the pandemonium lord
205201 | Zig:17   | Killed Peinn the pandemonium lord
205201 | Zig:17   | Killed Kiagerei the pandemonium lord
205202 | Zig:17   | Killed Ytutum the pandemonium lord
205202 | Zig:17   | Killed Pyorchie the pandemonium lord
205202 | Zig:17   | Killed Kigy the pandemonium lord
205202 | Zig:17   | Noticed Socet the pandemonium lord
205204 | Zig:17   | Killed Seuch the pandemonium lord
205205 | Zig:17   | Killed Poelal the pandemonium lord
205206 | Zig:17   | Noticed Dugg the pandemonium lord
205207 | Zig:17   | Killed Socet the pandemonium lord
205207 | Zig:17   | Noticed Asaklav the pandemonium lord
205207 | Zig:17   | Noticed Fatosisk the pandemonium lord
205207 | Zig:17   | Noticed Woav the pandemonium lord
205208 | Zig:17   | Killed Xeipenet the pandemonium lord
205208 | Zig:17   | Killed Dugg the pandemonium lord
205209 | Zig:17   | Killed Asaklav the pandemonium lord
205209 | Zig:17   | Noticed Yguerau the pandemonium lord
205211 | Zig:17   | Killed Woav the pandemonium lord
205211 | Zig:17   | Killed Fatosisk the pandemonium lord
205213 | Zig:17   | Killed Yguerau the pandemonium lord
205363 | Zig:17   | Identified the +4 leather armour of the Jackalope {Will+
                  | Slay+2}
205379 | Zig:17   | Identified the +7 orcbow of Noon {heavy, rPois rF+ Will+}
205380 | Zig:17   | Identified the +0 halberd of the Voracious God {venom,
                  | *Corrode rC+ Str+5}
205381 | Zig:17   | Identified the +8 lajatang of the Magi {heavy, rElec rF+++
                  | Will- MP+9}
205812 | Zig:18   | Entered Level 18 of a ziggurat
206291 | Zig:18   | Identified the +1 robe "Beirass" {Str+4}
206299 | Zig:18   | Identified the +4 spear "Hellblazer" {drain, rPois Int-2
                  | Dex+6 SInv}
206305 | Zig:18   | Identified the +2 sling "Beetle's Curse" {antimagic, rF+
                  | Str-5 Dex+4}
206306 | Zig:18   | Identified the amulet "Uliyf" {Acrobat Dex+5}
206308 | Zig:18   | Identified the +3 leather armour of Loss {rPois Dex-3 SInv
                  | Stlth+}
206393 | Zig:19   | Entered Level 19 of a ziggurat
206425 | Zig:19   | Identified the +4 morningstar of Hospitality {speed, Fly}
206595 | Zig:19   | Identified the +1 robe of the Maze {Dex+3}
206602 | Zig:19   | Identified the +6 plate armour of Leaves {rPois Str+3 Int+4
                  | Dex-3}
206606 | Zig:19   | Identified the ring "Istar" {rF+ rC+ rCorr Str-3}
206608 | Zig:19   | Identified the staff "Reiniut" {rElec rPois rF+ rN+ Fire}
206612 | Zig:19   | Identified the +4 hat of Light {+Inv rF+ Int-5 SInv}
206614 | Zig:19   | Identified the +3 plate armour "Jeuqimag" {rC++ Dex+4
                  | Slay-2}
206619 | Zig:19   | Identified the staff of Fierecs {rC+ Will+ rCorr Hexes Ice
                  | Earth}
206632 | Zig:19   | Identified the +4 mace of Ydoifuo {vamp, rPois rN+ Will+
                  | rCorr Str-2}
206633 | Zig:19   | Identified the +7 halberd "Tormentor" {antimagic, Will+
                  | Str+5}
206638 | Zig:19   | Identified the staff of the Forging Coward {Str+3 Earth}
206676 | Zig:19   | Identified the +3 tower shield of the Tarantula {Regen+
                  | Dex+2 SInv}
207018 | Zig:20   | Entered Level 20 of a ziggurat
207405 | Zig:20   | Identified the +3 scale mail of Classification {Regen+
                  | Str-5 Int+3}
207407 | Zig:20   | Identified the +2 leather armour of Betimis {rElec Regen+
                  | MP+9}
207435 | Zig:20   | Identified the +9 longbow of Vatzalu {drain, rF+ Dex+3
                  | SInv}
207453 | Zig:20   | Identified the ring of Oloih {rC+ AC+4 Str+3}
207460 | Zig:20   | Identified the amulet "Unesch" {Spirit Rampage rCorr Int+2}
207486 | Zig:20   | Identified the amulet "Xuk Ivvu" {Spirit rElec SInv}
207489 | Zig:20   | Identified the +1 whip of Focus {holy, +Blink rN+ Str+3}
207497 | Zig:20   | Identified the amulet of Zoukaeru {Faith +Inv Will- Regen+}
207615 | Zig:21   | Entered Level 21 of a ziggurat
207624 | Zig:21   | Paralysed by an air elemental for 1 turns
207729 | Zig:21   | Identified the +1 helmet of Hygaoc {Str+3 Int+2}
207730 | Zig:21   | Identified the +1 war axe of Impermanence {spect, rPois}
207733 | Zig:21   | Identified the +6 battleaxe "Cisoamuw" {flame, rPois Int+3}
207734 | Zig:21   | Identified the +0 scale mail "Piacaho" {rC+}
207743 | Zig:21   | Identified the staff "Gaujaku" {rElec rPois Int+2 Dex+4
                  | SInv Alchemy}
207745 | Zig:21   | Identified the +5 plate armour of Kynuemn {rPois Regen+}
207766 | Zig:21   | Identified the +2 leather armour of Grace {rPois}
207772 | Zig:21   | Identified the death talisman of Light {Int+2 Dex+3}
208189 | Zig:21   | Identified the ring of Ciejink {rPois rC+ Will+ Dex+3 SInv}
208302 | Zig:21   | Acquired the amulet of the Invisible Visions {^Contam rF++
                  | Regen+ Str+2 Dex+3}
208304 | Zig:21   | Acquired 1350 gold pieces
208321 | Zig:22   | Entered Level 22 of a ziggurat
208839 | Zig:22   | Identified the staff "Killer Bee's Death" {rElec Dex+5
                  | Stlth- Air}
208846 | Zig:22   | Identified the +1 broad axe of Ancient Evil {freeze, rF+}
208859 | Zig:22   | Identified the +5 ring mail of Mezcal {rC- Str+3 Dex+3}
208904 | Zig:22   | Identified the +0 ring mail of the Ant {+Inv}
209037 | Zig:23   | Entered Level 23 of a ziggurat
209046 | Zig:23   | Noticed a dread lich
209046 | Zig:23   | Noticed a dread lich
209046 | Zig:23   | Noticed a dread lich
209046 | Zig:23   | Noticed a dread lich
209046 | Zig:23   | Noticed a dread lich
209047 | Zig:23   | Noticed a dread lich
209047 | Zig:23   | Killed a dread lich
209047 | Zig:23   | Killed a dread lich
209047 | Zig:23   | Killed a dread lich
209048 | Zig:23   | Noticed a dread lich
209048 | Zig:23   | Noticed an ancient lich
209048 | Zig:23   | Noticed an ancient lich
209049 | Zig:23   | Killed a dread lich
209049 | Zig:23   | Killed a dread lich
209049 | Zig:23   | Killed a dread lich
209049 | Zig:23   | Killed an ancient lich
209050 | Zig:23   | Killed a dread lich
209051 | Zig:23   | Noticed a dread lich
209051 | Zig:23   | Noticed a dread lich
209051 | Zig:23   | Noticed a dread lich
209051 | Zig:23   | Noticed a dread lich
209051 | Zig:23   | Noticed a dread lich
209052 | Zig:23   | Killed a dread lich
209052 | Zig:23   | Killed a dread lich
209052 | Zig:23   | Killed an ancient lich
209053 | Zig:23   | Killed a dread lich
209053 | Zig:23   | Killed a dread lich
209053 | Zig:23   | Killed a dread lich
209053 | Zig:23   | Noticed a dread lich
209053 | Zig:23   | Noticed an ancient lich
209054 | Zig:23   | Noticed an ancient lich
209054 | Zig:23   | Noticed a dread lich
209054 | Zig:23   | Noticed a dread lich
209055 | Zig:23   | Killed an ancient lich
209056 | Zig:23   | Noticed an ancient lich
209056 | Zig:23   | Noticed an ancient lich
209056 | Zig:23   | Noticed a dread lich
209057 | Zig:23   | Killed a dread lich
209057 | Zig:23   | Killed a dread lich
209057 | Zig:23   | Killed an ancient lich
209057 | Zig:23   | Killed a dread lich
209057 | Zig:23   | Killed an ancient lich
209057 | Zig:23   | Noticed a dread lich
209057 | Zig:23   | Noticed a dread lich
209058 | Zig:23   | Noticed a dread lich
209058 | Zig:23   | Noticed a dread lich
209059 | Zig:23   | Killed an ancient lich
209059 | Zig:23   | Killed a dread lich
209059 | Zig:23   | Noticed an ancient lich
209059 | Zig:23   | Noticed an ancient lich
209059 | Zig:23   | Noticed an ancient lich
209060 | Zig:23   | Noticed a dread lich
209060 | Zig:23   | Killed a dread lich
209060 | Zig:23   | Killed a dread lich
209060 | Zig:23   | Killed a dread lich
209060 | Zig:23   | Killed a dread lich
209060 | Zig:23   | Killed an ancient lich
209060 | Zig:23   | Killed an ancient lich
209060 | Zig:23   | Noticed an ancient lich
209060 | Zig:23   | Noticed an ancient lich
209060 | Zig:23   | Noticed a dread lich
209061 | Zig:23   | Noticed an ancient lich
209062 | Zig:23   | Noticed a dread lich
209062 | Zig:23   | Noticed a dread lich
209062 | Zig:23   | Noticed a dread lich
209062 | Zig:23   | Noticed a dread lich
209062 | Zig:23   | Noticed a dread lich
209063 | Zig:23   | Killed a dread lich
209063 | Zig:23   | Killed a dread lich
209063 | Zig:23   | Killed a dread lich
209063 | Zig:23   | Killed a dread lich
209063 | Zig:23   | Killed an ancient lich
209063 | Zig:23   | Noticed an ancient lich
209063 | Zig:23   | Noticed a dread lich
209063 | Zig:23   | Noticed a dread lich
209064 | Zig:23   | Noticed an ancient lich
209064 | Zig:23   | Noticed an ancient lich
209064 | Zig:23   | Noticed a dread lich
209064 | Zig:23   | Noticed an ancient lich
209064 | Zig:23   | Noticed an ancient lich
209064 | Zig:23   | Noticed an ancient lich
209064 | Zig:23   | Noticed an ancient lich
209065 | Zig:23   | Killed an ancient lich
209065 | Zig:23   | Killed a dread lich
209065 | Zig:23   | Killed a dread lich
209065 | Zig:23   | Killed an ancient lich
209065 | Zig:23   | Killed an ancient lich
209065 | Zig:23   | Killed a dread lich
209065 | Zig:23   | Killed an ancient lich
209065 | Zig:23   | Noticed a dread lich
209066 | Zig:23   | Killed a dread lich
209066 | Zig:23   | Killed a dread lich
209066 | Zig:23   | Killed an ancient lich
209066 | Zig:23   | Killed an ancient lich
209066 | Zig:23   | Killed a dread lich
209066 | Zig:23   | Killed an ancient lich
209066 | Zig:23   | Noticed a dread lich
209066 | Zig:23   | Noticed an ancient lich
209066 | Zig:23   | Noticed an ancient lich
209067 | Zig:23   | Noticed a dread lich
209067 | Zig:23   | Noticed a dread lich
209068 | Zig:23   | Killed an ancient lich
209068 | Zig:23   | Killed a dread lich
209068 | Zig:23   | Killed an ancient lich
209068 | Zig:23   | Killed an ancient lich
209068 | Zig:23   | Killed an ancient lich
209068 | Zig:23   | Killed a dread lich
209068 | Zig:23   | Killed a dread lich
209068 | Zig:23   | Noticed an ancient lich
209068 | Zig:23   | Noticed an ancient lich
209068 | Zig:23   | Noticed a dread lich
209068 | Zig:23   | Noticed a dread lich
209069 | Zig:23   | Noticed a dread lich
209069 | Zig:23   | Noticed a dread lich
209069 | Zig:23   | Noticed an ancient lich
209069 | Zig:23   | Noticed a dread lich
209070 | Zig:23   | Killed a dread lich
209070 | Zig:23   | Killed an ancient lich
209072 | Zig:23   | Killed a dread lich
209072 | Zig:23   | Killed an ancient lich
209072 | Zig:23   | Killed a dread lich
209072 | Zig:23   | Killed an ancient lich
209072 | Zig:23   | Noticed a dread lich
209074 | Zig:23   | Killed an ancient lich
209074 | Zig:23   | Killed a dread lich
209074 | Zig:23   | Killed a dread lich
209077 | Zig:23   | Noticed a dread lich
209078 | Zig:23   | Killed a dread lich
209078 | Zig:23   | Killed a dread lich
209078 | Zig:23   | Killed a dread lich
209082 | Zig:23   | Noticed a dread lich
209083 | Zig:23   | Killed a dread lich
209164 | Zig:23   | Identified the +1 plate armour of Instinct {rF+ Dex+3}
209171 | Zig:23   | Identified the amulet of Jelit {Faith Harm}
209172 | Zig:23   | Identified the +10 plate armour of the Distant Future
                  | {^Drain Will++ rCorr}
209173 | Zig:23   | Identified the +7 sling "Demonslayer" {drain, rElec}
209181 | Zig:23   | Identified the +3 flail of Mutilation {spect, rElec rC+
                  | rN++ rCorr}
209612 | Zig:23   | Acquired 711 gold pieces
209629 | Zig:24   | Entered Level 24 of a ziggurat
209638 | Zig:24   | Noticed Eshras the pandemonium lord
209641 | Zig:24   | Noticed Uleimm the pandemonium lord
209642 | Zig:24   | Noticed Seicuyta the pandemonium lord
209643 | Zig:24   | Killed Eshras the pandemonium lord
209643 | Zig:24   | Noticed Reutz the pandemonium lord
209643 | Zig:24   | Noticed Pavix the pandemonium lord
209643 | Zig:24   | Noticed Ahiuff the pandemonium lord
209644 | Zig:24   | Killed Uleimm the pandemonium lord
209644 | Zig:24   | Noticed Tadan the pandemonium lord
209645 | Zig:24   | Noticed Iniguh the pandemonium lord
209645 | Zig:24   | Noticed Kuptaet the pandemonium lord
209646 | Zig:24   | Killed Ahiuff the pandemonium lord
209646 | Zig:24   | Noticed Nuloig the pandemonium lord
209646 | Zig:24   | Noticed Soexzaff the pandemonium lord
209647 | Zig:24   | Noticed Tamal the pandemonium lord
209647 | Zig:24   | Noticed Zuetyxel the pandemonium lord
209648 | Zig:24   | Noticed Roul the pandemonium lord
209648 | Zig:24   | Killed Seicuyta the pandemonium lord
209648 | Zig:24   | Noticed Otawnid the pandemonium lord
209648 | Zig:24   | Noticed Dilaf the pandemonium lord
209648 | Zig:24   | Noticed Gered the pandemonium lord
209649 | Zig:24   | Killed Tamal the pandemonium lord
209649 | Zig:24   | Noticed Jusupop the pandemonium lord
209649 | Zig:24   | Noticed Rule the pandemonium lord
209650 | Zig:24   | Noticed Anaxoemo the pandemonium lord
209651 | Zig:24   | Killed Reutz the pandemonium lord
209651 | Zig:24   | Killed Zuetyxel the pandemonium lord
209651 | Zig:24   | Killed Tadan the pandemonium lord
209651 | Zig:24   | Noticed Yxzok Mena the pandemonium lord
209651 | Zig:24   | Noticed Sunniapu the pandemonium lord
209652 | Zig:24   | Killed Pavix the pandemonium lord
209652 | Zig:24   | Noticed Fiaroorch the pandemonium lord
209652 | Zig:24   | Noticed Ciedauny the pandemonium lord
209652 | Zig:24   | Noticed Renom the pandemonium lord
209653 | Zig:24   | Killed Iniguh the pandemonium lord
209653 | Zig:24   | Killed Soexzaff the pandemonium lord
209653 | Zig:24   | Killed Jusupop the pandemonium lord
209653 | Zig:24   | Killed Gered the pandemonium lord
209653 | Zig:24   | Killed Otawnid the pandemonium lord
209653 | Zig:24   | Killed Yxzok Mena the pandemonium lord
209653 | Zig:24   | Killed Roul the pandemonium lord
209653 | Zig:24   | Noticed Lamefred the pandemonium lord
209656 | Zig:24   | Noticed Omaheg the pandemonium lord
209656 | Zig:24   | Noticed Doum the pandemonium lord
209657 | Zig:24   | Noticed Siorumm the pandemonium lord
209657 | Zig:24   | Noticed Lyetuv the pandemonium lord
209657 | Zig:24   | Noticed Sebron the pandemonium lord
209657 | Zig:24   | Noticed Piwo the pandemonium lord
209658 | Zig:24   | Noticed Xufaerr the pandemonium lord
209658 | Zig:24   | Killed Anaxoemo the pandemonium lord
209658 | Zig:24   | Killed Sebron the pandemonium lord
209658 | Zig:24   | Killed Fiaroorch the pandemonium lord
209659 | Zig:24   | Killed Sunniapu the pandemonium lord
209660 | Zig:24   | Killed Ciedauny the pandemonium lord
209660 | Zig:24   | Killed Lamefred the pandemonium lord
209660 | Zig:24   | Noticed Caczes the pandemonium lord
209660 | Zig:24   | Noticed Poted the pandemonium lord
209660 | Zig:24   | Noticed Mysy the pandemonium lord
209660 | Zig:24   | Noticed Noqy the pandemonium lord
209660 | Zig:24   | Noticed Omapryr the pandemonium lord
209661 | Zig:24   | Killed Kuptaet the pandemonium lord
209661 | Zig:24   | Killed Rule the pandemonium lord
209661 | Zig:24   | Killed Nuloig the pandemonium lord
209661 | Zig:24   | Killed Poted the pandemonium lord
209661 | Zig:24   | Killed Noqy the pandemonium lord
209661 | Zig:24   | Noticed Ycoeg the pandemonium lord
209661 | Zig:24   | Noticed Paaperet the pandemonium lord
209662 | Zig:24   | Killed Doum the pandemonium lord
209662 | Zig:24   | Killed Renom the pandemonium lord
209662 | Zig:24   | Noticed Lyerr the pandemonium lord
209662 | Zig:24   | Noticed Xaciagg the pandemonium lord
209662 | Zig:24   | Noticed Gentoal the pandemonium lord
209663 | Zig:24   | Killed Xufaerr the pandemonium lord
209663 | Zig:24   | Killed Omapryr the pandemonium lord
209663 | Zig:24   | Killed Paaperet the pandemonium lord
209663 | Zig:24   | Killed Caczes the pandemonium lord
209663 | Zig:24   | Noticed Uvvi the pandemonium lord
209663 | Zig:24   | Noticed Vakluott the pandemonium lord
209663 | Zig:24   | Killed Mysy the pandemonium lord
209663 | Zig:24   | Noticed Uprasuo the pandemonium lord
209663 | Zig:24   | Noticed Byiduh the pandemonium lord
209664 | Zig:24   | Killed Siorumm the pandemonium lord
209664 | Zig:24   | Killed Ycoeg the pandemonium lord
209664 | Zig:24   | Killed Omaheg the pandemonium lord
209664 | Zig:24   | Noticed Lesell the pandemonium lord
209664 | Zig:24   | Noticed Rixel the pandemonium lord
209664 | Zig:24   | Noticed Utisunn the pandemonium lord
209664 | Zig:24   | Noticed Rirecwis the pandemonium lord
209664 | Zig:24   | Noticed Noogaots the pandemonium lord
209665 | Zig:24   | Noticed Ewnaa the pandemonium lord
209666 | Zig:24   | Killed Dilaf the pandemonium lord
209666 | Zig:24   | Killed Gentoal the pandemonium lord
209666 | Zig:24   | Killed Lyerr the pandemonium lord
209666 | Zig:24   | Noticed Awnadit the pandemonium lord
209666 | Zig:24   | Noticed Foisen the pandemonium lord
209668 | Zig:24   | Noticed Lyeq the pandemonium lord
209668 | Zig:24   | Killed Lyetuv the pandemonium lord
209668 | Zig:24   | Killed Piwo the pandemonium lord
209668 | Zig:24   | Noticed Ruucw the pandemonium lord
209668 | Zig:24   | Noticed Unyxacvi the pandemonium lord
209669 | Zig:24   | Noticed Tepnehunt the pandemonium lord
209669 | Zig:24   | Noticed Mauci the pandemonium lord
209670 | Zig:24   | Killed Awnadit the pandemonium lord
209670 | Zig:24   | Killed Vakluott the pandemonium lord
209671 | Zig:24   | Noticed Seschabo the pandemonium lord
209671 | Zig:24   | Noticed Nothon the pandemonium lord
209671 | Zig:24   | Noticed Vischuclo the pandemonium lord
209672 | Zig:24   | Killed Xaciagg the pandemonium lord
209672 | Zig:24   | Killed Uprasuo the pandemonium lord
209672 | Zig:24   | Killed Utisunn the pandemonium lord
209672 | Zig:24   | Killed Ruucw the pandemonium lord
209672 | Zig:24   | Noticed Nyngicse the pandemonium lord
209672 | Zig:24   | Noticed Raggoh the pandemonium lord
209673 | Zig:24   | Killed Tepnehunt the pandemonium lord
209673 | Zig:24   | Killed Uvvi the pandemonium lord
209673 | Zig:24   | Killed Rixel the pandemonium lord
209673 | Zig:24   | Noticed Jomeymi the pandemonium lord
209673 | Zig:24   | Noticed Peiha Hism the pandemonium lord
209674 | Zig:24   | Killed Ewnaa the pandemonium lord
209674 | Zig:24   | Noticed Xilena the pandemonium lord
209674 | Zig:24   | Noticed Epyluinopn the pandemonium lord
209675 | Zig:24   | Killed Foisen the pandemonium lord
209675 | Zig:24   | Killed Unyxacvi the pandemonium lord
209675 | Zig:24   | Killed Nothon the pandemonium lord
209675 | Zig:24   | Killed Nyngicse the pandemonium lord
209675 | Zig:24   | Killed Lyeq the pandemonium lord
209675 | Zig:24   | Killed Lesell the pandemonium lord
209675 | Zig:24   | Killed Peiha Hism the pandemonium lord
209675 | Zig:24   | Killed Jomeymi the pandemonium lord
209675 | Zig:24   | Noticed Loossiu the pandemonium lord
209676 | Zig:24   | Noticed Duugi the pandemonium lord
209676 | Zig:24   | Noticed Wunnuac the pandemonium lord
209676 | Zig:24   | Noticed Duxuygy the pandemonium lord
209677 | Zig:24   | Noticed Oromutz Kenk the pandemonium lord
209677 | Zig:24   | Noticed Zumear the pandemonium lord
209678 | Zig:24   | Noticed Jekog the pandemonium lord
209679 | Zig:24   | Killed Seschabo the pandemonium lord
209679 | Zig:24   | Killed Rirecwis the pandemonium lord
209680 | Zig:24   | Killed Noogaots the pandemonium lord
209680 | Zig:24   | Killed Epyluinopn the pandemonium lord
209680 | Zig:24   | Killed Vischuclo the pandemonium lord
209680 | Zig:24   | Killed Mauci the pandemonium lord
209680 | Zig:24   | Killed Wunnuac the pandemonium lord
209680 | Zig:24   | Noticed Wivumal the pandemonium lord
209680 | Zig:24   | Noticed Yrchil the pandemonium lord
209680 | Zig:24   | Noticed Gutaogru the pandemonium lord
209680 | Zig:24   | Killed Raggoh the pandemonium lord
209681 | Zig:24   | Noticed Biutre the pandemonium lord
209682 | Zig:24   | Killed Byiduh the pandemonium lord
209682 | Zig:24   | Killed Xilena the pandemonium lord
209683 | Zig:24   | Killed Zumear the pandemonium lord
209683 | Zig:24   | Killed Jekog the pandemonium lord
209683 | Zig:24   | Killed Duxuygy the pandemonium lord
209683 | Zig:24   | Noticed Ceihuamn the pandemonium lord
209684 | Zig:24   | Killed Duugi the pandemonium lord
209684 | Zig:24   | Killed Loossiu the pandemonium lord
209684 | Zig:24   | Killed Oromutz Kenk the pandemonium lord
209684 | Zig:24   | Killed Yrchil the pandemonium lord
209684 | Zig:24   | Killed Wivumal the pandemonium lord
209684 | Zig:24   | Noticed Duokyis the pandemonium lord
209685 | Zig:24   | Noticed Vuedwet the pandemonium lord
209685 | Zig:24   | Noticed Egism the pandemonium lord
209685 | Zig:24   | Noticed Ocwatem the pandemonium lord
209685 | Zig:24   | Noticed Xesor the pandemonium lord
209685 | Zig:24   | Noticed Ducima the pandemonium lord
209686 | Zig:24   | Noticed Sefit the pandemonium lord
209686 | Zig:24   | Noticed Goih the pandemonium lord
209687 | Zig:24   | Noticed Tioraol the pandemonium lord
209687 | Zig:24   | Killed Xesor the pandemonium lord
209687 | Zig:24   | Killed Duokyis the pandemonium lord
209687 | Zig:24   | Killed Goih the pandemonium lord
209687 | Zig:24   | Noticed Qienopt the pandemonium lord
209688 | Zig:24   | Killed Ceihuamn the pandemonium lord
209688 | Zig:24   | Killed Gutaogru the pandemonium lord
209688 | Zig:24   | Killed Vuedwet the pandemonium lord
209688 | Zig:24   | Killed Egism the pandemonium lord
209688 | Zig:24   | Noticed Zoczeh the pandemonium lord
209688 | Zig:24   | Noticed Usmasmit the pandemonium lord
209688 | Zig:24   | Noticed Baig Jeti the pandemonium lord
209688 | Zig:24   | Noticed Mehinimp the pandemonium lord
209690 | Zig:24   | Noticed Hocvivoc the pandemonium lord
209690 | Zig:24   | Noticed Vasaif the pandemonium lord
209690 | Zig:24   | Noticed Tieherph the pandemonium lord
209690 | Zig:24   | Noticed Dag Ajakk the pandemonium lord
209691 | Zig:24   | Killed Tieherph the pandemonium lord
209691 | Zig:24   | Killed Biutre the pandemonium lord
209691 | Zig:24   | Killed Ducima the pandemonium lord
209691 | Zig:24   | Killed Sefit the pandemonium lord
209691 | Zig:24   | Noticed Yrogut the pandemonium lord
209691 | Zig:24   | Noticed Zygyhu Qeso the pandemonium lord
209692 | Zig:24   | Killed Zoczeh the pandemonium lord
209692 | Zig:24   | Noticed Rintij the pandemonium lord
209693 | Zig:24   | Noticed Uhiuh the pandemonium lord
209694 | Zig:24   | Noticed Guson the pandemonium lord
209694 | Zig:24   | Noticed Risyph the pandemonium lord
209695 | Zig:24   | Noticed Hawurese the pandemonium lord
209695 | Zig:24   | Killed Dag Ajakk the pandemonium lord
209695 | Zig:24   | Killed Baig Jeti the pandemonium lord
209695 | Zig:24   | Killed Yrogut the pandemonium lord
209695 | Zig:24   | Killed Vasaif the pandemonium lord
209695 | Zig:24   | Killed Ocwatem the pandemonium lord
209695 | Zig:24   | Noticed Oscheklurgh the pandemonium lord
209697 | Zig:24   | Killed Usmasmit the pandemonium lord
209697 | Zig:24   | Killed Rintij the pandemonium lord
209697 | Zig:24   | Killed Mehinimp the pandemonium lord
209697 | Zig:24   | Killed Guson the pandemonium lord
209697 | Zig:24   | Killed Zygyhu Qeso the pandemonium lord
209697 | Zig:24   | Noticed Ofareel the pandemonium lord
209697 | Zig:24   | Noticed Syequgim the pandemonium lord
209698 | Zig:24   | Killed Qienopt the pandemonium lord
209698 | Zig:24   | Noticed Ceank the pandemonium lord
209699 | Zig:24   | Noticed Caetadeo the pandemonium lord
209699 | Zig:24   | Noticed Pateap the pandemonium lord
209700 | Zig:24   | Killed Oscheklurgh the pandemonium lord
209700 | Zig:24   | Noticed Balon the pandemonium lord
209701 | Zig:24   | Killed Tioraol the pandemonium lord
209701 | Zig:24   | Noticed Gurghemio the pandemonium lord
209704 | Zig:24   | Killed Hawurese the pandemonium lord
209705 | Zig:24   | Killed Risyph the pandemonium lord
209705 | Zig:24   | Noticed Jecokibi the pandemonium lord
209707 | Zig:24   | Killed Ceank the pandemonium lord
209712 | Zig:24   | Killed Uhiuh the pandemonium lord
209712 | Zig:24   | Killed Pateap the pandemonium lord
209717 | Zig:24   | Killed Syequgim the pandemonium lord
209718 | Zig:24   | Noticed Diott the pandemonium lord
209720 | Zig:24   | Killed Hocvivoc the pandemonium lord
209720 | Zig:24   | Killed Caetadeo the pandemonium lord
209720 | Zig:24   | Noticed Dios Buedi the pandemonium lord
209720 | Zig:24   | Noticed Ciklixa the pandemonium lord
209722 | Zig:24   | Killed Balon the pandemonium lord
209722 | Zig:24   | Killed Jecokibi the pandemonium lord
209723 | Zig:24   | Noticed Biulerchi the pandemonium lord
209724 | Zig:24   | Noticed Viumig the pandemonium lord
209724 | Zig:24   | Noticed Belud the pandemonium lord
209724 | Zig:24   | Noticed Gunapiank the pandemonium lord
209725 | Zig:24   | Killed Gurghemio the pandemonium lord
209725 | Zig:24   | Killed Diott the pandemonium lord
209726 | Zig:24   | Killed Ofareel the pandemonium lord
209727 | Zig:24   | Killed Biulerchi the pandemonium lord
209727 | Zig:24   | Killed Gunapiank the pandemonium lord
209727 | Zig:24   | Killed Belud the pandemonium lord
209727 | Zig:24   | Killed Ciklixa the pandemonium lord
209728 | Zig:24   | Killed Viumig the pandemonium lord
209728 | Zig:24   | Noticed Ciurchih the pandemonium lord
209728 | Zig:24   | Noticed Acweroav the pandemonium lord
209729 | Zig:24   | Noticed Ybakir the pandemonium lord
209729 | Zig:24   | Noticed Mijosuan the pandemonium lord
209729 | Zig:24   | Noticed Wailiyth the pandemonium lord
209730 | Zig:24   | Noticed Vere the pandemonium lord
209731 | Zig:24   | Killed Ciurchih the pandemonium lord
209733 | Zig:24   | Killed Acweroav the pandemonium lord
209733 | Zig:24   | Killed Ybakir the pandemonium lord
209733 | Zig:24   | Killed Dios Buedi the pandemonium lord
209734 | Zig:24   | Killed Mijosuan the pandemonium lord
209735 | Zig:24   | Killed Vere the pandemonium lord
209735 | Zig:24   | Noticed Cefeanuo the pandemonium lord
209736 | Zig:24   | Killed Wailiyth the pandemonium lord
209739 | Zig:24   | Killed Cefeanuo the pandemonium lord
209977 | Zig:24   | Identified the +0 chain mail of the Skiapode {*Corrode rF+
                  | rC+}
209980 | Zig:24   | Identified the +4 war axe of Ishoo {freeze, Dex+3}
209981 | Zig:24   | Identified the +6 dagger of Extermination {heavy, *Slow rN+
                  | Dex+3}
209988 | Zig:24   | Identified the ring "Dill" {MP-9 EV+5 Int+4}
209990 | Zig:24   | Identified the +4 mace of the Vestibule of Hell {venom,
                  | Will+ Dex+4}
209994 | Zig:24   | Identified the amulet of Trepidation {Acrobat Dex+4}
210000 | Zig:24   | Identified the ring of Geickik {Wiz rPois rC+}
210005 | Zig:24   | Identified the +4 ring mail "Lethran" {+Blink Str+3 Int+3
                  | Dex+4}
210020 | Zig:24   | Identified the +1 robe of the Manifold Lives {rCorr Dex+2}
210032 | Zig:24   | Identified the +4 falchion of Res Ipsa Loquitur {flame,
                  | rElec}
210443 | Zig:25   | Entered Level 25 of a ziggurat
210536 | Abyss:7  | Entered Level 7 of the Abyss
210536 | Abyss:7  | Cast into level 7 of the Abyss (unwielding a weapon of
                  | distortion)
210615 | Zig:25   | Escaped the Abyss
210811 | Zig:25   | Paralysed by a wendigo for 1 turns
211191 | Zig:25   | Identified the serpent talisman of Marbles {rN+ Dex+4}
211194 | Zig:25   | Identified the ring of Vav Ned Sui {Fly rC+ Str+6}
211220 | Zig:25   | Identified the ring of Irofry {rF+ Int+4}
211229 | Zig:25   | Identified the +9 falchion of Peace {venom, rC+ Stlth+}
211236 | Zig:25   | Identified the staff of Risit {rElec rPois rF- Fire Air}
211766 | Zig:26   | Entered Level 26 of a ziggurat
212266 | Zig:26   | Identified the staff of Laazudit {Str+3 Summ Earth}
212285 | Zig:26   | Identified the +6 orcbow of Wrongful Imprisonment {elec,
                  | Str+3}
212293 | Zig:26   | Identified the staff of the Six Spirits {^Fragile rPois rC+
                  | rN+ Alchemy}
212310 | Zig:26   | Identified the ring "Zoesiculell" {rElec rN+ Str+2 Slay+2}
212320 | Zig:26   | Identified the ring "Qinneut" {rElec rPois MP+9 Int+6}
212332 | Zig:26   | Acquired the +11 crystal plate armour of the Maze {Regen+}
212354 | Zig:26   | Identified the +7 battleaxe "Jokauwuy" {spect, +Blink rPois
                  | Str+2 Dex+2}
212363 | Zig:26   | Identified the ring of Itolughu {rC+ rCorr Str+4 Dex+3}
212378 | Zig:26   | Identified the +1 scale mail of the Grue {Str+5}
212395 | Zig:26   | Identified the +5 hand axe "Tireiq Ythri" {venom, Int+6}
212396 | Zig:26   | Identified the +1 chain mail of the Ancient Beds {Str+4
                  | Int+2 Stlth-}
212539 | Zig:27   | Entered Level 27 of a ziggurat
212548 | Zig:27   | Noticed Caacet the pandemonium lord
212549 | Zig:27   | Noticed Ymmietuw the pandemonium lord
212551 | Zig:27   | Noticed Ruomn the pandemonium lord
212551 | Zig:27   | Noticed Plog the pandemonium lord
212551 | Zig:27   | Noticed Weklofuu the pandemonium lord
212551 | Zig:27   | Noticed Necemuma the pandemonium lord
212552 | Zig:27   | Killed Caacet the pandemonium lord
212553 | Zig:27   | Noticed Anejuh the pandemonium lord
212553 | Zig:27   | Noticed Cybiu the pandemonium lord
212554 | Zig:27   | Killed Plog the pandemonium lord
212554 | Zig:27   | Noticed Wilyqoc the pandemonium lord
212554 | Zig:27   | Noticed Judut the pandemonium lord
212554 | Zig:27   | Noticed Eramm the pandemonium lord
212554 | Zig:27   | Noticed Beopn the pandemonium lord
212555 | Zig:27   | Killed Weklofuu the pandemonium lord
212555 | Zig:27   | Killed Anejuh the pandemonium lord
212555 | Zig:27   | Noticed Pavai the pandemonium lord
212555 | Zig:27   | Noticed Harghali the pandemonium lord
212555 | Zig:27   | Noticed Suleud the pandemonium lord
212556 | Zig:27   | Killed Wilyqoc the pandemonium lord
212556 | Zig:27   | Killed Cybiu the pandemonium lord
212556 | Zig:27   | Noticed Atyen the pandemonium lord
212557 | Zig:27   | Noticed Qisuxt the pandemonium lord
212557 | Zig:27   | Noticed Efiaqut the pandemonium lord
212557 | Zig:27   | Noticed Hyr Haxze the pandemonium lord
212558 | Zig:27   | Noticed Xepnucu the pandemonium lord
212559 | Zig:27   | Noticed Puteh the pandemonium lord
212559 | Zig:27   | Killed Necemuma the pandemonium lord
212559 | Zig:27   | Killed Beopn the pandemonium lord
212559 | Zig:27   | Killed Puteh the pandemonium lord
212559 | Zig:27   | Noticed Ytometze the pandemonium lord
212559 | Zig:27   | Noticed Jiqikh the pandemonium lord
212560 | Zig:27   | Noticed Cytovu the pandemonium lord
212560 | Zig:27   | Noticed Keuckacw the pandemonium lord
212560 | Zig:27   | Noticed Bavitaty the pandemonium lord
212560 | Zig:27   | Noticed Rekhleny the pandemonium lord
212560 | Zig:27   | Noticed Edeophy the pandemonium lord
212561 | Zig:27   | Noticed Ticonomi the pandemonium lord
212561 | Zig:27   | Noticed Nunaf the pandemonium lord
212561 | Zig:27   | Noticed Zocvo the pandemonium lord
212561 | Zig:27   | Noticed Ovuikaso the pandemonium lord
212561 | Zig:27   | Noticed Caits the pandemonium lord
212562 | Zig:27   | Noticed Zewoat the pandemonium lord
212562 | Zig:27   | Noticed Quwuy the pandemonium lord
212562 | Zig:27   | Noticed Irghosyeke the pandemonium lord
212562 | Zig:27   | Noticed Heiczept the pandemonium lord
212562 | Zig:27   | Noticed Puidgh the pandemonium lord
212562 | Zig:27   | Noticed Nomois the pandemonium lord
212563 | Zig:27   | Killed Ruomn the pandemonium lord
212563 | Zig:27   | Noticed Yfolavva the pandemonium lord
212564 | Zig:27   | Killed Efiaqut the pandemonium lord
212564 | Zig:27   | Noticed Zocoi the pandemonium lord
212565 | Zig:27   | Noticed Buengesk the pandemonium lord
212565 | Zig:27   | Noticed Cilazurph the pandemonium lord
212565 | Zig:27   | Killed Ticonomi the pandemonium lord
212566 | Zig:27   | Killed Caits the pandemonium lord
212567 | Zig:27   | Killed Qisuxt the pandemonium lord
212569 | Zig:27   | Killed Atyen the pandemonium lord
212569 | Zig:27   | Killed Ytometze the pandemonium lord
212569 | Zig:27   | Killed Xepnucu the pandemonium lord
212569 | Zig:27   | Killed Rekhleny the pandemonium lord
212570 | Zig:27   | Killed Hyr Haxze the pandemonium lord
212570 | Zig:27   | Killed Puidgh the pandemonium lord
212570 | Zig:27   | Killed Suleud the pandemonium lord
212571 | Zig:27   | Killed Harghali the pandemonium lord
212571 | Zig:27   | Killed Jiqikh the pandemonium lord
212572 | Zig:27   | Killed Buengesk the pandemonium lord
212572 | Zig:27   | Noticed Efufeuje the pandemonium lord
212572 | Zig:27   | Noticed Poucimoc the pandemonium lord
212573 | Zig:27   | Killed Cytovu the pandemonium lord
212576 | Zig:27   | Killed Keuckacw the pandemonium lord
212576 | Zig:27   | Killed Ovuikaso the pandemonium lord
212577 | Zig:27   | Killed Efufeuje the pandemonium lord
212577 | Zig:27   | Killed Poucimoc the pandemonium lord
212577 | Zig:27   | Killed Nunaf the pandemonium lord
212577 | Zig:27   | Noticed Gawe the pandemonium lord
212577 | Zig:27   | Noticed Uxzukk the pandemonium lord
212579 | Zig:27   | Killed Nomois the pandemonium lord
212579 | Zig:27   | Killed Quwuy the pandemonium lord
212579 | Zig:27   | Killed Judut the pandemonium lord
212580 | Zig:27   | Killed Pavai the pandemonium lord
212580 | Zig:27   | Killed Bavitaty the pandemonium lord
212580 | Zig:27   | Noticed Kiblunuq the pandemonium lord
212581 | Zig:27   | Killed Gawe the pandemonium lord
212581 | Zig:27   | Killed Cilazurph the pandemonium lord
212581 | Zig:27   | Killed Uxzukk the pandemonium lord
212581 | Zig:27   | Noticed Keale the pandemonium lord
212582 | Zig:27   | Killed Edeophy the pandemonium lord
212583 | Zig:27   | Killed Eramm the pandemonium lord
212583 | Zig:27   | Noticed Xaawar the pandemonium lord
212584 | Zig:27   | Noticed Xoide the pandemonium lord
212585 | Zig:27   | Killed Kiblunuq the pandemonium lord
212585 | Zig:27   | Killed Ymmietuw the pandemonium lord
212585 | Zig:27   | Killed Keale the pandemonium lord
212585 | Zig:27   | Killed Heiczept the pandemonium lord
212585 | Zig:27   | Noticed Kumimy the pandemonium lord
212585 | Zig:27   | Noticed Fantenwy the pandemonium lord
212586 | Zig:27   | Killed Zocoi the pandemonium lord
212586 | Zig:27   | Noticed Wukyetipaa the pandemonium lord
212586 | Zig:27   | Noticed Bianwod the pandemonium lord
212587 | Zig:27   | Killed Zewoat the pandemonium lord
212587 | Zig:27   | Noticed Woacaon the pandemonium lord
212587 | Zig:27   | Noticed Utosu the pandemonium lord
212589 | Zig:27   | Noticed Binehet the pandemonium lord
212590 | Zig:27   | Noticed Jeef the pandemonium lord
212590 | Zig:27   | Killed Xaawar the pandemonium lord
212590 | Zig:27   | Killed Kumimy the pandemonium lord
212590 | Zig:27   | Killed Utosu the pandemonium lord
212590 | Zig:27   | Noticed Yler the pandemonium lord
212590 | Zig:27   | Noticed Musaczukk the pandemonium lord
212591 | Zig:27   | Noticed Veshruho the pandemonium lord
212591 | Zig:27   | Killed Zocvo the pandemonium lord
212591 | Zig:27   | Killed Musaczukk the pandemonium lord
212592 | Zig:27   | Noticed Vamotrea the pandemonium lord
212592 | Zig:27   | Killed Xoide the pandemonium lord
212592 | Zig:27   | Killed Irghosyeke the pandemonium lord
212592 | Zig:27   | Killed Bianwod the pandemonium lord
212593 | Zig:27   | Killed Woacaon the pandemonium lord
212593 | Zig:27   | Killed Wukyetipaa the pandemonium lord
212593 | Zig:27   | Killed Yler the pandemonium lord
212593 | Zig:27   | Killed Jeef the pandemonium lord
212593 | Zig:27   | Killed Fantenwy the pandemonium lord
212593 | Zig:27   | Noticed Dicudiecybb the pandemonium lord
212594 | Zig:27   | Noticed Zuirruludyf the pandemonium lord
212595 | Zig:27   | Noticed Volael the pandemonium lord
212595 | Zig:27   | Killed Binehet the pandemonium lord
212595 | Zig:27   | Killed Vamotrea the pandemonium lord
212595 | Zig:27   | Noticed Ufexusk the pandemonium lord
212596 | Zig:27   | Noticed Daetam the pandemonium lord
212598 | Zig:27   | Killed Veshruho the pandemonium lord
212598 | Zig:27   | Noticed Gadumm the pandemonium lord
212599 | Zig:27   | Noticed Qimuck the pandemonium lord
212599 | Zig:27   | Killed Daetam the pandemonium lord
212599 | Zig:27   | Noticed Xuff the pandemonium lord
212599 | Zig:27   | Noticed Cahedac the pandemonium lord
212599 | Zig:27   | Noticed Voatroe the pandemonium lord
212599 | Zig:27   | Noticed Hinapuga the pandemonium lord
212599 | Zig:27   | Noticed Wyrolug the pandemonium lord
212600 | Zig:27   | Killed Dicudiecybb the pandemonium lord
212600 | Zig:27   | Killed Yfolavva the pandemonium lord
212600 | Zig:27   | Killed Ufexusk the pandemonium lord
212602 | Zig:27   | Noticed Aboar the pandemonium lord
212602 | Zig:27   | Killed Xuff the pandemonium lord
212602 | Zig:27   | Killed Voatroe the pandemonium lord
212602 | Zig:27   | Killed Yptuhik the pandemonium lord
212603 | Zig:27   | Killed Volael the pandemonium lord
212603 | Zig:27   | Killed Qimuck the pandemonium lord
212603 | Zig:27   | Noticed Ketah the pandemonium lord
212603 | Zig:27   | Noticed Vesearph the pandemonium lord
212603 | Zig:27   | Noticed Suaric the pandemonium lord
212605 | Zig:27   | Killed Cahedac the pandemonium lord
212605 | Zig:27   | Killed Aboar the pandemonium lord
212605 | Zig:27   | Noticed Ceusunt the pandemonium lord
212605 | Zig:27   | Noticed Hericzeh the pandemonium lord
212606 | Zig:27   | Noticed Tiuger the pandemonium lord
212606 | Zig:27   | Noticed Ymihur the pandemonium lord
212607 | Zig:27   | Noticed Jytousoo the pandemonium lord
212608 | Zig:27   | Noticed Hoamewes the pandemonium lord
212608 | Zig:27   | Killed Suaric the pandemonium lord
212608 | Zig:27   | Killed Xoism the pandemonium lord
212608 | Zig:27   | Noticed Vapp the pandemonium lord
212609 | Zig:27   | Noticed Eplig the pandemonium lord
212609 | Zig:27   | Killed Hinapuga the pandemonium lord
212609 | Zig:27   | Killed Zuirruludyf the pandemonium lord
212609 | Zig:27   | Noticed Esankoty the pandemonium lord
212610 | Zig:27   | Noticed Foriow the pandemonium lord
212610 | Zig:27   | Killed Gadumm the pandemonium lord
212610 | Zig:27   | Noticed Taph the pandemonium lord
212611 | Zig:27   | Noticed Icyv the pandemonium lord
212611 | Zig:27   | Killed Ketah the pandemonium lord
212612 | Zig:27   | Killed Wyrolug the pandemonium lord
212612 | Zig:27   | Killed Hericzeh the pandemonium lord
212612 | Zig:27   | Killed Taph the pandemonium lord
212612 | Zig:27   | Killed Jytousoo the pandemonium lord
212612 | Zig:27   | Noticed Yjab Zyn the pandemonium lord
212613 | Zig:27   | Killed Hoamewes the pandemonium lord
212613 | Zig:27   | Killed Yjab Zyn the pandemonium lord
212613 | Zig:27   | Noticed Kaegiuf the pandemonium lord
212613 | Zig:27   | Noticed Hohixzussu the pandemonium lord
212613 | Zig:27   | Noticed Vyucyahoer the pandemonium lord
212614 | Zig:27   | Killed Ceusunt the pandemonium lord
212614 | Zig:27   | Killed Ymihur the pandemonium lord
212614 | Zig:27   | Noticed Waah the pandemonium lord
212615 | Zig:27   | Killed Esankoty the pandemonium lord
212615 | Zig:27   | Killed Vyucyahoer the pandemonium lord
212615 | Zig:27   | Killed Hohixzussu the pandemonium lord
212615 | Zig:27   | Noticed Firgh the pandemonium lord
212615 | Zig:27   | Noticed Ehor the pandemonium lord
212615 | Zig:27   | Noticed Cufral the pandemonium lord
212616 | Zig:27   | Killed Kaegiuf the pandemonium lord
212616 | Zig:27   | Killed Foriow the pandemonium lord
212616 | Zig:27   | Killed Waah the pandemonium lord
212616 | Zig:27   | Killed Tiuger the pandemonium lord
212616 | Zig:27   | Killed Vapp the pandemonium lord
212616 | Zig:27   | Noticed Valolano the pandemonium lord
212618 | Zig:27   | Noticed Faoc the pandemonium lord
212618 | Zig:27   | Noticed Muony the pandemonium lord
212619 | Zig:27   | Killed Vesearph the pandemonium lord
212619 | Zig:27   | Noticed Hivyes the pandemonium lord
212619 | Zig:27   | Noticed Teukain the pandemonium lord
212621 | Zig:27   | Noticed Pozxet the pandemonium lord
212621 | Zig:27   | Killed Ehor the pandemonium lord
212621 | Zig:27   | Killed Icyv the pandemonium lord
212621 | Zig:27   | Killed Firgh the pandemonium lord
212621 | Zig:27   | Noticed Mawipun the pandemonium lord
212622 | Zig:27   | Killed Teukain the pandemonium lord
212622 | Zig:27   | Killed Valolano the pandemonium lord
212622 | Zig:27   | Noticed Oloavun the pandemonium lord
212623 | Zig:27   | Noticed Suyschaa the pandemonium lord
212623 | Zig:27   | Noticed Raoss the pandemonium lord
212623 | Zig:27   | Noticed Qeecwe the pandemonium lord
212623 | Zig:27   | Noticed Ufahalil the pandemonium lord
212624 | Zig:27   | Killed Muony the pandemonium lord
212624 | Zig:27   | Killed Oloavun the pandemonium lord
212624 | Zig:27   | Noticed Bonyojela the pandemonium lord
212625 | Zig:27   | Killed Hivyes the pandemonium lord
212625 | Zig:27   | Noticed Zujorch the pandemonium lord
212625 | Zig:27   | Noticed Afomuetoof the pandemonium lord
212626 | Zig:27   | Killed Raoss the pandemonium lord
212626 | Zig:27   | Noticed Jaext the pandemonium lord
212627 | Zig:27   | Killed Faoc the pandemonium lord
212627 | Zig:27   | Killed Pozxet the pandemonium lord
212627 | Zig:27   | Killed Mawipun the pandemonium lord
212627 | Zig:27   | Killed Bonyojela the pandemonium lord
212627 | Zig:27   | Killed Eplig the pandemonium lord
212627 | Zig:27   | Noticed Ehah the pandemonium lord
212628 | Zig:27   | Killed Ufahalil the pandemonium lord
212628 | Zig:27   | Killed Afomuetoof the pandemonium lord
212628 | Zig:27   | Killed Zujorch the pandemonium lord
212628 | Zig:27   | Killed Suyschaa the pandemonium lord
212628 | Zig:27   | Noticed Irgheudud the pandemonium lord
212630 | Zig:27   | Noticed Qulenosu the pandemonium lord
212630 | Zig:27   | Noticed Hunopn the pandemonium lord
212631 | Zig:27   | Killed Qeecwe the pandemonium lord
212631 | Zig:27   | Killed Jaext the pandemonium lord
212631 | Zig:27   | Noticed Hitaig the pandemonium lord
212632 | Zig:27   | Killed Irgheudud the pandemonium lord
212632 | Zig:27   | Noticed Giaxaog the pandemonium lord
212634 | Zig:27   | Killed Ehah the pandemonium lord
212634 | Zig:27   | Killed Hunopn the pandemonium lord
212634 | Zig:27   | Killed Qulenosu the pandemonium lord
212634 | Zig:27   | Noticed Noagenge the pandemonium lord
212635 | Zig:27   | Killed Hitaig the pandemonium lord
212635 | Zig:27   | Noticed Dithromes the pandemonium lord
212635 | Zig:27   | Noticed Dudabuf the pandemonium lord
212635 | Zig:27   | Noticed Ukeph the pandemonium lord
212636 | Zig:27   | Killed Giaxaog the pandemonium lord
212636 | Zig:27   | Noticed Nabu the pandemonium lord
212636 | Zig:27   | Noticed Wuhise the pandemonium lord
212637 | Zig:27   | Noticed Urchague the pandemonium lord
212637 | Zig:27   | Killed Wuhise the pandemonium lord
212637 | Zig:27   | Noticed Fiaguw the pandemonium lord
212638 | Zig:27   | Noticed Wubypt the pandemonium lord
212638 | Zig:27   | Noticed Quofaeza the pandemonium lord
212639 | Zig:27   | Noticed Iwacsesh the pandemonium lord
212640 | Zig:27   | Killed Dudabuf the pandemonium lord
212640 | Zig:27   | Killed Ukeph the pandemonium lord
212640 | Zig:27   | Killed Dithromes the pandemonium lord
212640 | Zig:27   | Killed Nabu the pandemonium lord
212640 | Zig:27   | Killed Noagenge the pandemonium lord
212640 | Zig:27   | Killed Fiaguw the pandemonium lord
212640 | Zig:27   | Killed Wubypt the pandemonium lord
212640 | Zig:27   | Killed Iwacsesh the pandemonium lord
212640 | Zig:27   | Killed Urchague the pandemonium lord
212641 | Zig:27   | Noticed Beiceqy the pandemonium lord
212642 | Zig:27   | Killed Quofaeza the pandemonium lord
212642 | Zig:27   | Noticed Nigiss the pandemonium lord
212642 | Zig:27   | Noticed Uveig the pandemonium lord
212643 | Zig:27   | Killed Beiceqy the pandemonium lord
212643 | Zig:27   | Noticed Qeihiut the pandemonium lord
212644 | Zig:27   | Noticed Plog the pandemonium lord
212645 | Zig:27   | Killed Nigiss the pandemonium lord
212645 | Zig:27   | Noticed Joashus the pandemonium lord
212645 | Zig:27   | Noticed Mowerics the pandemonium lord
212646 | Zig:27   | Noticed Pobbaomu the pandemonium lord
212646 | Zig:27   | Killed Uveig the pandemonium lord
212646 | Zig:27   | Killed Qeihiut the pandemonium lord
212649 | Zig:27   | Noticed Dayps the pandemonium lord
212650 | Zig:27   | Killed Joashus the pandemonium lord
212650 | Zig:27   | Killed Mowerics the pandemonium lord
212650 | Zig:27   | Noticed Mejis the pandemonium lord
212650 | Zig:27   | Noticed Viw Saif the pandemonium lord
212651 | Zig:27   | Killed Plog the pandemonium lord
212651 | Zig:27   | Killed Pobbaomu the pandemonium lord
212652 | Zig:27   | Noticed Koijoso the pandemonium lord
212652 | Zig:27   | Noticed Ovochuid the pandemonium lord
212653 | Zig:27   | Killed Cufral the pandemonium lord
212653 | Zig:27   | Killed Mejis the pandemonium lord
212653 | Zig:27   | Killed Viw Saif the pandemonium lord
212653 | Zig:27   | Noticed Jon Rotsu the pandemonium lord
212653 | Zig:27   | Noticed Gusoa the pandemonium lord
212654 | Zig:27   | Killed Dayps the pandemonium lord
212654 | Zig:27   | Killed Koijoso the pandemonium lord
212655 | Zig:27   | Killed Ovochuid the pandemonium lord
212655 | Zig:27   | Noticed Hatemaf the pandemonium lord
212656 | Zig:27   | Noticed Kast the pandemonium lord
212657 | Zig:27   | Killed Gusoa the pandemonium lord
212659 | Zig:27   | Killed Hatemaf the pandemonium lord
212659 | Zig:27   | Killed Jon Rotsu the pandemonium lord
212663 | Zig:27   | Killed Kast the pandemonium lord
212663 | Zig:27   | Noticed Hoteaxe the pandemonium lord
212665 | Zig:27   | Noticed Huhe the pandemonium lord
212665 | Zig:27   | Noticed Husiqat the pandemonium lord
212667 | Zig:27   | Noticed Vupn the pandemonium lord
212667 | Zig:27   | Noticed Mumoilou the pandemonium lord
212670 | Zig:27   | Killed Husiqat the pandemonium lord
212670 | Zig:27   | Killed Huhe the pandemonium lord
212670 | Zig:27   | Killed Mumoilou the pandemonium lord
212670 | Zig:27   | Killed Vupn the pandemonium lord
212670 | Zig:27   | Noticed Arestrischa the pandemonium lord
212672 | Zig:27   | Killed Hoteaxe the pandemonium lord
212677 | Zig:27   | Noticed Soiry the pandemonium lord
212678 | Zig:27   | Killed Arestrischa the pandemonium lord
212679 | Zig:27   | Noticed Leax the pandemonium lord
212680 | Zig:27   | Killed Soiry the pandemonium lord
212682 | Zig:27   | Killed Leax the pandemonium lord
213235 | Zig:27   | Identified the staff of Tension {Stlth+ Conj}
213252 | Zig:27   | Identified the +3 robe "Obus Qud" {rElec rPois}
213254 | Zig:27   | Identified the +6 hand axe of the Mushroom {drain, rElec}
213258 | Zig:27   | Identified the +8 hand axe "Joew" {flame, MP+9 Str+2 Int+4}
213261 | Zig:27   | Identified the staff of Dismay {^Drain rPois rN+ SInv
                  | Necro}
213283 | Zig:27   | Identified the +2 scale mail of Buawuusk {rF- rC+ rCorr}
213284 | Zig:27   | Identified the ring of Pupruvvi {rPois rC+ Int-3 Dex+2}
213298 | Zig:27   | Acquired 1002 gold pieces
213310 | Zig:27   | Identified the +3 ring mail "Ybig" {Rampage Regen+ Stlth+}
213580 | Zig:1    | Entered Level 1 of a ziggurat
213652 | Zig:2    | Entered Level 2 of a ziggurat
213711 | Zig:2    | Identified the +2 ring mail of Greater Demons {Dex+3
                  | Slay+5}
213718 | Zig:3    | Entered Level 3 of a ziggurat
213718 | Zig:3    | Noticed a seraph
213723 | Zig:3    | Killed a seraph
213873 | Zig:4    | Entered Level 4 of a ziggurat
213899 | Zig:5    | Entered Level 5 of a ziggurat
213899 | Zig:5    | Noticed a dread lich
213899 | Zig:5    | Noticed a dread lich
213899 | Zig:5    | Noticed a dread lich
213899 | Zig:5    | Noticed an ancient lich
213899 | Zig:5    | Noticed a dread lich
213899 | Zig:5    | Noticed a dread lich
213899 | Zig:5    | Noticed an ancient lich
213899 | Zig:5    | Noticed a dread lich
213899 | Zig:5    | Noticed a dread lich
213900 | Zig:5    | Killed a dread lich
213900 | Zig:5    | Killed an ancient lich
213900 | Zig:5    | Killed an ancient lich
213901 | Zig:5    | Noticed an ancient lich
213901 | Zig:5    | Noticed a dread lich
213902 | Zig:5    | Noticed an ancient lich
213902 | Zig:5    | Noticed an ancient lich
213902 | Zig:5    | Noticed an ancient lich
213903 | Zig:5    | Killed a dread lich
213903 | Zig:5    | Killed a dread lich
213903 | Zig:5    | Killed a dread lich
213903 | Zig:5    | Killed a dread lich
213903 | Zig:5    | Killed a dread lich
213903 | Zig:5    | Killed an ancient lich
213903 | Zig:5    | Killed a dread lich
213903 | Zig:5    | Killed an ancient lich
213904 | Zig:5    | Noticed a dread lich
213906 | Zig:5    | Killed an ancient lich
213906 | Zig:5    | Killed an ancient lich
213906 | Zig:5    | Killed a dread lich
213907 | Zig:5    | Noticed an ancient lich
213909 | Zig:5    | Killed a dread lich
213911 | Zig:5    | Killed an ancient lich
213920 | Zig:5    | Identified the ring "Ubadghis" {Fire Str+5}
213927 | Zig:6    | Entered Level 6 of a ziggurat
214165 | Zig:7    | Entered Level 7 of a ziggurat
214165 | Zig:7    | Noticed Mojoaz's ghost (legendary GrFi)
214165 | Zig:7    | Noticed Mojoaz's ghost (legendary GrFi)
214165 | Zig:7    | Noticed Mojoaz's ghost (legendary GrFi)
214165 | Zig:7    | Noticed Mojoaz's ghost (legendary GrFi)
214165 | Zig:7    | Noticed Mojoaz's ghost (legendary GrFi)
214165 | Zig:7    | Noticed Mojoaz's ghost (legendary GrFi)
214165 | Zig:7    | Noticed Mojoaz's ghost (legendary GrFi)
214165 | Zig:7    | Noticed Mojoaz's ghost (legendary GrFi)
214165 | Zig:7    | Noticed Mojoaz's ghost (legendary GrFi)
214165 | Zig:7    | Noticed Mojoaz's ghost (legendary GrFi)
214165 | Zig:7    | Noticed Mojoaz's ghost (legendary GrFi)
214165 | Zig:7    | Noticed Mojoaz's ghost (legendary GrFi)
214165 | Zig:7    | Noticed Mojoaz's ghost (legendary GrFi)
214165 | Zig:7    | Noticed Mojoaz's ghost (legendary GrFi)
214167 | Zig:7    | Noticed Mojoaz's ghost (legendary GrFi)
214168 | Zig:7    | Killed Mojoaz's ghost
214168 | Zig:7    | Killed Mojoaz's ghost
214169 | Zig:7    | Killed Mojoaz's ghost
214169 | Zig:7    | Killed Mojoaz's ghost
214169 | Zig:7    | Killed Mojoaz's ghost
214169 | Zig:7    | Noticed Mojoaz's ghost (legendary GrFi)
214170 | Zig:7    | Killed Mojoaz's ghost
214170 | Zig:7    | Killed Mojoaz's ghost
214170 | Zig:7    | Killed Mojoaz's ghost
214170 | Zig:7    | Killed Mojoaz's ghost
214170 | Zig:7    | Killed Mojoaz's ghost
214171 | Zig:7    | Killed Mojoaz's ghost
214171 | Zig:7    | Killed Mojoaz's ghost
214171 | Zig:7    | Killed Mojoaz's ghost
214172 | Zig:7    | Killed Mojoaz's ghost
214172 | Zig:7    | Killed Mojoaz's ghost
214172 | Zig:7    | Noticed Mojoaz's ghost (legendary GrFi)
214172 | Zig:7    | Noticed Mojoaz's ghost (legendary GrFi)
214175 | Zig:7    | Noticed Mojoaz's ghost (legendary GrFi)
214176 | Zig:7    | Noticed Mojoaz's ghost (legendary GrFi)
214178 | Zig:7    | Noticed Mojoaz's ghost (legendary GrFi)
214178 | Zig:7    | Noticed Mojoaz's ghost (legendary GrFi)
214179 | Zig:7    | Killed Mojoaz's ghost
214179 | Zig:7    | Killed Mojoaz's ghost
214179 | Zig:7    | Noticed Mojoaz's ghost (legendary GrFi)
214179 | Zig:7    | Noticed Mojoaz's ghost (legendary GrFi)
214180 | Zig:7    | Killed Mojoaz's ghost
214182 | Zig:7    | Killed Mojoaz's ghost
214186 | Zig:7    | Killed Mojoaz's ghost
214186 | Zig:7    | Killed Mojoaz's ghost
214186 | Zig:7    | Killed Mojoaz's ghost
214186 | Zig:7    | Killed Mojoaz's ghost
214186 | Zig:7    | Killed Mojoaz's ghost
214313 | Zig:7    | Identified the +3 whip of the Median {freeze, SInv}
214328 | Zig:7    | Identified the +0 falchion "Ekomnuiv" {drain, rC+ Str+4}
214390 | Zig:8    | Entered Level 8 of a ziggurat
214398 | Zig:8    | Noticed an ancient lich
214400 | Zig:8    | Killed an ancient lich
214582 | Zig:8    | Identified the +8 rapier "Hydra's Demise" {venom, rElec
                  | Dex+3}
214583 | Zig:8    | Identified the ring "Vojo Suq" {Int+6 Stlth+}
214591 | Zig:8    | Identified the +10 spear "Utel" {flame, rF++ Str+3}
214606 | Zig:8    | Identified the +0 helmet "Guteg" {Stlth+}
214650 | Zig:9    | Entered Level 9 of a ziggurat
214660 | Zig:9    | Noticed a dread lich
214662 | Zig:9    | Noticed a dread lich
214662 | Zig:9    | Killed a dread lich
214664 | Zig:9    | Killed a dread lich
214736 | Zig:9    | Identified the +0 plate armour of Utsuheoph {Regen+ Int+5}
214946 | Zig:10   | Entered Level 10 of a ziggurat
215139 | Zig:10   | Identified the staff of Dishonour {rElec Will+ MP+9 Str+4
                  | Dex-3 Air}
215154 | Zig:10   | Identified the amulet "Itholl" {Harm +Blink rElec rC-
                  | Regen+}
215217 | Zig:10   | Identified the +7 shortbow of the Omega Point {speed,
                  | ^Contam rCorr Int+5}
215223 | Zig:10   | Identified the ring "Detral" {^Drain rF+ rC+ rCorr SInv}
215249 | Zig:11   | Entered Level 11 of a ziggurat
215274 | Zig:11   | Identified the ring of the Commoners {rN+ SInv}
215283 | Zig:11   | Identified the ring "Ron Zoy" {rF+ Int+7 Slay+3}
215291 | Zig:11   | Identified the +0 ring mail of Xymadir {rC++ Int-2 SInv
                  | Stlth+}
215293 | Zig:11   | Identified the +1 long sword "Waorit" {drain, rC+ MP-9
                  | Str+2}
215297 | Zig:11   | Identified the +0 leather armour of Syndicalism {+Inv rElec
                  | rN+}
215368 | Zig:11   | Identified the +8 battleaxe "Beetle's Death" {flame, rPois}
215593 | Zig:12   | Entered Level 12 of a ziggurat
215948 | Zig:12   | Identified the +1 arbalest "Cyptovikk" {heavy, rF+ MP+9
                  | Int+4}
215995 | Zig:13   | Entered Level 13 of a ziggurat
215995 | Zig:13   | Noticed Mojoaz's ghost (legendary GrFi)
215995 | Zig:13   | Noticed Mojoaz's ghost (legendary GrFi)
215995 | Zig:13   | Noticed Mojoaz's ghost (legendary GrFi)
215995 | Zig:13   | Noticed Mojoaz's ghost (legendary GrFi)
215995 | Zig:13   | Noticed Mojoaz's ghost (legendary GrFi)
215995 | Zig:13   | Noticed Mojoaz's ghost (legendary GrFi)
215995 | Zig:13   | Noticed Mojoaz's ghost (legendary GrFi)
215995 | Zig:13   | Noticed Mojoaz's ghost (legendary GrFi)
215995 | Zig:13   | Noticed Mojoaz's ghost (legendary GrFi)
215995 | Zig:13   | Noticed Mojoaz's ghost (legendary GrFi)
215995 | Zig:13   | Noticed Mojoaz's ghost (legendary GrFi)
215995 | Zig:13   | Noticed Mojoaz's ghost (legendary GrFi)
215995 | Zig:13   | Noticed Mojoaz's ghost (legendary GrFi)
215995 | Zig:13   | Noticed Mojoaz's ghost (legendary GrFi)
215995 | Zig:13   | Noticed Mojoaz's ghost (legendary GrFi)
215995 | Zig:13   | Noticed Mojoaz's ghost (legendary GrFi)
215995 | Zig:13   | Noticed Mojoaz's ghost (legendary GrFi)
215995 | Zig:13   | Noticed Mojoaz's ghost (legendary GrFi)
215995 | Zig:13   | Noticed Mojoaz's ghost (legendary GrFi)
215998 | Zig:13   | Noticed Mojoaz's ghost (legendary GrFi)
216000 | Zig:13   | Killed Mojoaz's ghost
216000 | Zig:13   | Killed Mojoaz's ghost
216000 | Zig:13   | Noticed Mojoaz's ghost (legendary GrFi)
216000 | Zig:13   | Noticed Mojoaz's ghost (legendary GrFi)
216000 | Zig:13   | Noticed Mojoaz's ghost (legendary GrFi)
216000 | Zig:13   | Noticed Mojoaz's ghost (legendary GrFi)
216001 | Zig:13   | Noticed Mojoaz's ghost (legendary GrFi)
216001 | Zig:13   | Noticed Mojoaz's ghost (legendary GrFi)
216001 | Zig:13   | Noticed Mojoaz's ghost (legendary GrFi)
216001 | Zig:13   | Noticed Mojoaz's ghost (legendary GrFi)
216001 | Zig:13   | Noticed Mojoaz's ghost (legendary GrFi)
216001 | Zig:13   | Noticed Mojoaz's ghost (legendary GrFi)
216001 | Zig:13   | Noticed Mojoaz's ghost (legendary GrFi)
216002 | Zig:13   | Killed Mojoaz's ghost
216002 | Zig:13   | Killed Mojoaz's ghost
216002 | Zig:13   | Killed Mojoaz's ghost
216002 | Zig:13   | Killed Mojoaz's ghost
216002 | Zig:13   | Killed Mojoaz's ghost
216002 | Zig:13   | Killed Mojoaz's ghost
216002 | Zig:13   | Noticed Mojoaz's ghost (legendary GrFi)
216002 | Zig:13   | Noticed Mojoaz's ghost (legendary GrFi)
216003 | Zig:13   | Noticed Mojoaz's ghost (legendary GrFi)
216003 | Zig:13   | Killed Mojoaz's ghost
216003 | Zig:13   | Killed Mojoaz's ghost
216003 | Zig:13   | Killed Mojoaz's ghost
216003 | Zig:13   | Killed Mojoaz's ghost
216003 | Zig:13   | Killed Mojoaz's ghost
216003 | Zig:13   | Killed Mojoaz's ghost
216003 | Zig:13   | Killed Mojoaz's ghost
216003 | Zig:13   | Killed Mojoaz's ghost
216003 | Zig:13   | Noticed Mojoaz's ghost (legendary GrFi)
216003 | Zig:13   | Noticed Mojoaz's ghost (legendary GrFi)
216004 | Zig:13   | Noticed Mojoaz's ghost (legendary GrFi)
216004 | Zig:13   | Noticed Mojoaz's ghost (legendary GrFi)
216005 | Zig:13   | Killed Mojoaz's ghost
216005 | Zig:13   | Killed Mojoaz's ghost
216005 | Zig:13   | Killed Mojoaz's ghost
216005 | Zig:13   | Killed Mojoaz's ghost
216005 | Zig:13   | Killed Mojoaz's ghost
216005 | Zig:13   | Killed Mojoaz's ghost
216005 | Zig:13   | Killed Mojoaz's ghost
216005 | Zig:13   | Noticed Mojoaz's ghost (legendary GrFi)
216005 | Zig:13   | Noticed Mojoaz's ghost (legendary GrFi)
216006 | Zig:13   | Killed Mojoaz's ghost
216006 | Zig:13   | Killed Mojoaz's ghost
216006 | Zig:13   | Killed Mojoaz's ghost
216006 | Zig:13   | Killed Mojoaz's ghost
216006 | Zig:13   | Killed Mojoaz's ghost
216006 | Zig:13   | Killed Mojoaz's ghost
216006 | Zig:13   | Noticed Mojoaz's ghost (legendary GrFi)
216006 | Zig:13   | Noticed Mojoaz's ghost (legendary GrFi)
216006 | Zig:13   | Noticed Mojoaz's ghost (legendary GrFi)
216007 | Zig:13   | Noticed Mojoaz's ghost (legendary GrFi)
216007 | Zig:13   | Noticed Mojoaz's ghost (legendary GrFi)
216007 | Zig:13   | Noticed Mojoaz's ghost (legendary GrFi)
216008 | Zig:13   | Killed Mojoaz's ghost
216008 | Zig:13   | Killed Mojoaz's ghost
216008 | Zig:13   | Noticed Mojoaz's ghost (legendary GrFi)
216009 | Zig:13   | Killed Mojoaz's ghost
216009 | Zig:13   | Killed Mojoaz's ghost
216009 | Zig:13   | Killed Mojoaz's ghost
216009 | Zig:13   | Killed Mojoaz's ghost
216009 | Zig:13   | Killed Mojoaz's ghost
216009 | Zig:13   | Noticed Mojoaz's ghost (legendary GrFi)
216010 | Zig:13   | Noticed Mojoaz's ghost (legendary GrFi)
216010 | Zig:13   | Killed Mojoaz's ghost
216010 | Zig:13   | Killed Mojoaz's ghost
216011 | Zig:13   | Killed Mojoaz's ghost
216011 | Zig:13   | Killed Mojoaz's ghost
216011 | Zig:13   | Killed Mojoaz's ghost
216011 | Zig:13   | Killed Mojoaz's ghost
216011 | Zig:13   | Killed Mojoaz's ghost
216011 | Zig:13   | Noticed Mojoaz's ghost (legendary GrFi)
216011 | Zig:13   | Noticed Mojoaz's ghost (legendary GrFi)
216012 | Zig:13   | Killed Mojoaz's ghost
216012 | Zig:13   | Killed Mojoaz's ghost
216012 | Zig:13   | Noticed Mojoaz's ghost (legendary GrFi)
216013 | Zig:13   | Noticed Mojoaz's ghost (legendary GrFi)
216013 | Zig:13   | Noticed Mojoaz's ghost (legendary GrFi)
216013 | Zig:13   | Noticed Mojoaz's ghost (legendary GrFi)
216015 | Zig:13   | Noticed Mojoaz's ghost (legendary GrFi)
216015 | Zig:13   | Noticed Mojoaz's ghost (legendary GrFi)
216015 | Zig:13   | Noticed Mojoaz's ghost (legendary GrFi)
216015 | Zig:13   | Noticed Mojoaz's ghost (legendary GrFi)
216016 | Zig:13   | Killed Mojoaz's ghost
216016 | Zig:13   | Killed Mojoaz's ghost
216016 | Zig:13   | Killed Mojoaz's ghost
216016 | Zig:13   | Killed Mojoaz's ghost
216017 | Zig:13   | Noticed Mojoaz's ghost (legendary GrFi)
216019 | Zig:13   | Killed Mojoaz's ghost
216020 | Zig:13   | Noticed Mojoaz's ghost (legendary GrFi)
216021 | Zig:13   | Killed Mojoaz's ghost
216021 | Zig:13   | Killed Mojoaz's ghost
216021 | Zig:13   | Killed Mojoaz's ghost
216022 | Zig:13   | Killed Mojoaz's ghost
216023 | Zig:13   | Killed Mojoaz's ghost
216023 | Zig:13   | Killed Mojoaz's ghost
216025 | Zig:13   | Killed Mojoaz's ghost
216025 | Zig:13   | Killed Mojoaz's ghost
216025 | Zig:13   | Killed Mojoaz's ghost
216025 | Zig:13   | Killed Mojoaz's ghost
216028 | Zig:13   | Killed Mojoaz's ghost
216155 | Zig:13   | Identified the +11 halberd "Ijierel" {flame, rF+}
216158 | Zig:13   | Identified the +12 hand axe "Bacug" {freeze, Int+3}
216167 | Zig:13   | Identified the staff "Ijiddyqa" {rC+ Dex+2 Stlth+ Necro Ice
                  | Alchemy}
216169 | Zig:13   | Identified the +20 crystal plate armour "Plog" {rElec rPois
                  | SInv}
216173 | Zig:13   | Identified the ring of Xom's Passing Interest {rElec Will+
                  | Slay+3}
216336 | Zig:13   | Identified the +1 ring mail of Veleph {rElec rF++ Str-4
                  | Int+2}
216376 | Zig:14   | Entered Level 14 of a ziggurat
216376 | Zig:14   | Noticed an ancient lich
216378 | Zig:14   | Killed an ancient lich
216600 | Zig:14   | Identified the ring "Koeheimn" {rF+ Int+6 Dex+3}
216602 | Zig:14   | Identified the amulet of the Doomed God {Faith rN+ Str+3
                  | Stlth+}
216613 | Zig:14   | Identified the +8 spear "Gyemyixe" {flame, rN+ rCorr}
216651 | Zig:14   | Identified the amulet "Lerup" {Reflect rC- Str+4 Int+3
                  | Slay+5 SH+5}
216668 | Zig:14   | Identified the ring "Pinahole" {Wiz *Slow rElec rPois
                  | Stlth+}
216684 | Zig:14   | Identified the +7 hand axe of Celo Kyt {drain, rF+ Str+3}
216812 | Zig:15   | Entered Level 15 of a ziggurat
216884 | Zig:15   | Identified the +0 great mace "Rukloet" {venom, rC+ Int+3}
216895 | Zig:15   | Identified the +0 pair of boots of the Seventy-Seven Lies
                  | {Harm rElec Regen+ Int-4}
216905 | Zig:15   | Identified the staff of Qoevay {rElec Int+6 Air}
217158 | Zig:15   | Identified the ring "Gideositer" {rElec rF+ rC+}
217247 | Zig:16   | Entered Level 16 of a ziggurat
217580 | Zig:16   | Identified the +0 scale mail of the Jolly Songs {rC+}
217645 | Zig:16   | Identified the +3 executioner's axe "Dilau" {antimagic, rF+
                  | rCorr}
217653 | Zig:16   | Identified the staff of Sin {rC+ Dex+3 Necro Ice}
217655 | Zig:16   | Identified the +0 scale mail "Gucoqor" {Slay+3}
217661 | Zig:16   | Identified the ring of Zyach {rN+ MP+9 Int+2}
217731 | Zig:17   | Entered Level 17 of a ziggurat
217754 | Zig:17   | Identified the staff "Lilugat" {rElec rF+ Air}
217795 | Zig:17   | Identified the +5 lajatang of Zoux {freeze, Str+4 Dex-4}
217797 | Zig:17   | Identified the +9 sling of Sextuset {heavy, +Blink Will-
                  | rCorr Int+4}
217801 | Zig:17   | Identified the +3 leather armour of Ashenzari's Vengeance
                  | {rN+ Int+2}
217803 | Zig:17   | Identified the +3 ring mail "Focuwkic" {-Cast ^Contam rPois
                  | rF++}
217855 | Zig:17   | Identified the +2 chain mail of Untruth {Will+ Str+3}
217863 | Zig:17   | Identified the +1 morningstar of Defiance {freeze, SInv}
217869 | Zig:17   | Identified the +5 flail of Qezoenn {spect, rF+ rCorr Str-4}
217871 | Zig:17   | Identified the +7 scimitar of Aturr {flame, Int+3}
217884 | Zig:17   | Identified the +5 great sword "Foomazep" {flame, MP-9
                  | Str+4}
217908 | Zig:17   | Identified the +3 falchion of Famine {spect, rCorr Int-3
                  | Dex+2}
217912 | Zig:17   | Identified the ring "Duthri" {rF+ AC+4}
218299 | Zig:18   | Entered Level 18 of a ziggurat
218645 | Zig:18   | Identified the +5 great sword of Wu Jian's Condemnation
                  | {venom, *Slow rN+ Will+}
218708 | Zig:18   | Identified the +3 mace "Iskama" {flame, rPois}
218710 | Zig:18   | Identified the ring of Imigaer {Fly Str+5 Int+2 Stlth-}
218720 | Zig:18   | Identified the +1 orcbow "Kobbofiemp" {flame, Will+ Str+5
                  | Int+2 Stlth-}
218724 | Zig:18   | Identified the +0 war axe "Gooqikho" {speed, rN+ Will-
                  | SInv}
218731 | Zig:18   | Identified the +9 hand axe "Huc Zaan" {pain, rElec}
218760 | Zig:18   | Identified the ring "Qinwin" {Will+ EV+5}
218825 | Zig:19   | Entered Level 19 of a ziggurat
218837 | Zig:19   | Noticed a dread lich
218838 | Zig:19   | Killed a dread lich
218850 | Zig:19   | Noticed a dread lich
218853 | Zig:19   | Killed a dread lich
218907 | Zig:19   | Identified the +4 glaive of Glory {venom, rF+ rN+}
218914 | Zig:19   | Identified the ring "Vaigh" {rElec rN+}
218919 | Zig:19   | Identified the amulet "Veyneat" {Harm *Corrode Will++
                  | Regen+ Stlth+}
218931 | Zig:19   | Identified the +0 pair of gloves of the Thistle {Rampage
                  | rF+ rC+}
218932 | Zig:19   | Identified the +3 spear of the Shining Light {venom, rElec
                  | rF- Stlth+}
218973 | Zig:19   | Identified the +0 dire flail of Cisup {freeze, rF+ Will-
                  | Dex+4}
219341 | Zig:20   | Entered Level 20 of a ziggurat
219352 | Zig:20   | Paralysed by an air elemental for 1 turns
219747 | Zig:20   | Identified the ring "Rumajesi" {rElec rF+ Int-2 SInv}
219776 | Zig:20   | Identified the ring "Datan" {rPois rF- rN+ rCorr Slay+4}
219792 | Zig:20   | Identified the amulet "Pisum" {Faith rPois rCorr}
219816 | Zig:20   | Identified the ring of Liphaato {rPois rN+}
219861 | Zig:20   | Identified the amulet of Logiru {Regen+ rCorr}
219863 | Zig:20   | Identified the +0 tower shield of the Prince of Darkness
                  | {rC+ Regen+}
219879 | Zig:20   | Identified the ring "Paasiss" {rC+ rN++}
219881 | Zig:20   | Identified the ring of Hykoulus {rElec rF+ MP+9 Slay-5}
219902 | Zig:20   | Identified the +3 trident of the Poles {vamp, *Corrode rC+
                  | Will+ Dex+5}
219904 | Zig:20   | Identified the +0 ring mail of Lufyorua {*Slow rC+ Regen+
                  | Str+2 SInv}
219906 | Zig:20   | Identified the staff of Implojin's Slow Death {rPois rCorr
                  | Alchemy}
219914 | Zig:20   | Identified the +11 long sword "Vent" {speed, *Slow rElec
                  | rC+ Stlth+}
219923 | Zig:20   | Identified the staff of the Desolation of Salt {rElec rPois
                  | Will+ Alchemy}
219931 | Zig:20   | Identified the +8 hand axe of the Fool {heavy, rPois rC+
                  | rCorr Str+3}
219939 | Zig:20   | Identified the +9 flail of Yraed {freeze, Fly Int+3 SInv}
219941 | Zig:20   | Identified the +5 dagger "Ryfigg" {holy, rElec rPois rF+
                  | Int+4}
219948 | Zig:20   | Identified the amulet "Qistit" {Acrobat rN++}
219951 | Zig:20   | Identified the ring "Ceamemm" {Fire rPois Dex+3}
219987 | Zig:20   | Acquired the +1 helmet of Xoajolylytro {Harm Rampage rPois
                  | rF+}
220050 | Zig:21   | Entered Level 21 of a ziggurat
220183 | Zig:21   | Identified the amulet "Nifixkaff" {Regen+ MP+9 Int+2}
220191 | Zig:21   | Identified the +3 plate armour of Raceib {rElec Dex+3}
220192 | Zig:21   | Identified the +9 bardiche of the Pill Bug {spect, rF+}
220193 | Zig:21   | Identified the +6 dagger of Resourcefulness {heavy, rCorr
                  | Str+4 Int-5}
220194 | Zig:21   | Identified the +1 broad axe of the Endless Expanse {flame,
                  | *Slow rC+ Int+2}
220635 | Zig:21   | Identified the ring of Syndicalism {^Contam rElec rC+++ rN+
                  | rCorr}
220676 | Zig:22   | Entered Level 22 of a ziggurat
221095 | Zig:22   | Identified the +6 shortbow of War {heavy, rC+ Will+}
221116 | Zig:22   | Identified the +12 war axe of Perversion {spect, Fly rPois
                  | MP-9}
221118 | Zig:22   | Identified the +0 spear of Gallantry {flame, rC+ SInv}
221126 | Zig:22   | Identified the +5 dagger "Bietzet" {drain, +Blink rElec
                  | Str+4}
221128 | Zig:22   | Identified the amulet of Zusoi {RegenMP rC++ MP+9 Str-2}
221135 | Zig:22   | Identified the +1 arbalest of Paper {flame, rF+ SInv}
221155 | Zig:22   | Identified the +4 flail "Newt's Bane" {flame, Str+2 Dex+2}
221157 | Zig:22   | Identified the +5 great mace "Kikes" {heavy, Str+4}
221164 | Zig:22   | Identified the staff "Wujeowor" {rElec rPois rF+ Stlth+
                  | Air}
221255 | Zig:23   | Entered Level 23 of a ziggurat
221281 | Zig:23   | Identified the ring "Okhirej" {Fire Will++}
221286 | Zig:23   | Identified the ring "Jesko" {Will+ Slay+2 SInv Stlth+}
221335 | Zig:23   | Identified the +5 quarterstaff of Lanasia {drain, *Rage
                  | rPois SInv}
221338 | Zig:23   | Identified the +1 ring mail "Rotwatemn" {-Tele *Slow rF++
                  | Will+++}
221348 | Zig:23   | Identified the +0 cloak "Kyts" {rElec Int+6 Stlth+}
221360 | Zig:23   | Identified the ring of Qutaa {^Drain rC+ rCorr Str+6}
221363 | Zig:23   | Identified the +9 hand axe of the Bouncing Lovers {flame,
                  | *Noise rElec rCorr Int-2}
221439 | Zig:23   | Identified the +1 chain mail of the Hundredfold Beds {rElec
                  | rC+ Stlth+}
221461 | Zig:23   | Identified the ring "Cotautif" {rF+ rC+ Will+++ Int-2
                  | Dex-2}
221462 | Zig:23   | Identified the +1 robe of the Hot Ocelot {Str+2 Stlth+}
221468 | Zig:23   | Identified the +4 halberd of Meck {freeze, *Corrode rPois
                  | MP+9 Dex+2}
221875 | Zig:23   | Identified the ring "Dufoun" {rCorr Str+4}
221903 | Zig:23   | Identified the +7 scale mail "Tidal" {Rampage rPois}
221907 | Zig:23   | Identified the +5 spear "Xaffaiq" {venom, Fly rF+ Will+}
221931 | Zig:23   | Identified the +6 trident "Ciocitu" {speed, Dex+3}
222022 | Zig:24   | Entered Level 24 of a ziggurat
222038 | Zig:24   | Paralysed by an air elemental for 1 turns
222459 | Zig:24   | Identified the staff "Narogev" {rPois rC+ MP+9 Str-4 Hexes
                  | Ice}
222482 | Zig:24   | Identified the +5 great sword "Goblin's Doom" {flame, rF++}
222539 | Zig:25   | Entered Level 25 of a ziggurat
222539 | Zig:25   | Noticed a royal mummy
222539 | Zig:25   | Noticed a royal mummy
222539 | Zig:25   | Noticed a royal mummy
222539 | Zig:25   | Noticed a royal mummy
222539 | Zig:25   | Noticed a royal mummy
222539 | Zig:25   | Noticed a royal mummy
222539 | Zig:25   | Noticed a royal mummy
222539 | Zig:25   | Noticed a royal mummy
222539 | Zig:25   | Noticed a royal mummy
222539 | Zig:25   | Noticed a royal mummy
222539 | Zig:25   | Noticed a royal mummy
222539 | Zig:25   | Noticed a royal mummy
222540 | Zig:25   | Killed a royal mummy
222540 | Zig:25   | Killed a royal mummy
222540 | Zig:25   | Killed a royal mummy
222540 | Zig:25   | Killed a royal mummy
222540 | Zig:25   | Killed a royal mummy
222540 | Zig:25   | Killed a royal mummy
222540 | Zig:25   | Killed a royal mummy
222540 | Zig:25   | Killed a royal mummy
222540 | Zig:25   | Killed a royal mummy
222540 | Zig:25   | Killed a royal mummy
222541 | Zig:25   | Noticed a royal mummy
222542 | Zig:25   | Noticed a royal mummy
222543 | Zig:25   | Killed a royal mummy
222543 | Zig:25   | Killed a royal mummy
222543 | Zig:25   | Noticed a royal mummy
222543 | Zig:25   | Noticed a royal mummy
222543 | Zig:25   | Noticed a royal mummy
222543 | Zig:25   | Noticed a royal mummy
222544 | Zig:25   | Noticed a royal mummy
222544 | Zig:25   | Noticed a royal mummy
222544 | Zig:25   | Noticed a royal mummy
222545 | Zig:25   | Noticed a royal mummy
222545 | Zig:25   | Noticed a royal mummy
222545 | Zig:25   | Noticed a royal mummy
222546 | Zig:25   | Killed a royal mummy
222546 | Zig:25   | Killed a royal mummy
222546 | Zig:25   | Killed a royal mummy
222546 | Zig:25   | Killed a royal mummy
222546 | Zig:25   | Killed a royal mummy
222546 | Zig:25   | Killed a royal mummy
222546 | Zig:25   | Killed a royal mummy
222547 | Zig:25   | Noticed a royal mummy
222547 | Zig:25   | Noticed a royal mummy
222547 | Zig:25   | Noticed a royal mummy
222548 | Zig:25   | Killed a royal mummy
222548 | Zig:25   | Noticed a royal mummy
222548 | Zig:25   | Noticed a royal mummy
222549 | Zig:25   | Noticed a royal mummy
222549 | Zig:25   | Noticed a royal mummy
222549 | Zig:25   | Noticed a royal mummy
222550 | Zig:25   | Noticed a royal mummy
222550 | Zig:25   | Killed a royal mummy
222550 | Zig:25   | Killed a royal mummy
222550 | Zig:25   | Killed a royal mummy
222550 | Zig:25   | Killed a royal mummy
222550 | Zig:25   | Killed a royal mummy
222550 | Zig:25   | Killed a royal mummy
222550 | Zig:25   | Killed a royal mummy
222550 | Zig:25   | Killed a royal mummy
222550 | Zig:25   | Killed a royal mummy
222550 | Zig:25   | Killed a royal mummy
222550 | Zig:25   | Killed a royal mummy
222550 | Zig:25   | Noticed a royal mummy
222551 | Zig:25   | Noticed a royal mummy
222551 | Zig:25   | Noticed a royal mummy
222551 | Zig:25   | Noticed a royal mummy
222551 | Zig:25   | Noticed a royal mummy
222552 | Zig:25   | Killed a royal mummy
222552 | Zig:25   | Killed a royal mummy
222553 | Zig:25   | Noticed a royal mummy
222553 | Zig:25   | Noticed a royal mummy
222553 | Zig:25   | Noticed a royal mummy
222554 | Zig:25   | Noticed a royal mummy
222554 | Zig:25   | Killed a royal mummy
222554 | Zig:25   | Killed a royal mummy
222554 | Zig:25   | Killed a royal mummy
222554 | Zig:25   | Killed a royal mummy
222554 | Zig:25   | Killed a royal mummy
222554 | Zig:25   | Killed a royal mummy
222554 | Zig:25   | Noticed a royal mummy
222555 | Zig:25   | Noticed a royal mummy
222556 | Zig:25   | Killed a royal mummy
222556 | Zig:25   | Killed a royal mummy
222557 | Zig:25   | Noticed a royal mummy
222557 | Zig:25   | Noticed a royal mummy
222557 | Zig:25   | Noticed a royal mummy
222557 | Zig:25   | Noticed a royal mummy
222558 | Zig:25   | Killed a royal mummy
222558 | Zig:25   | Killed a royal mummy
222558 | Zig:25   | Killed a royal mummy
222558 | Zig:25   | Noticed a royal mummy
222558 | Zig:25   | Noticed a royal mummy
222558 | Zig:25   | Noticed a royal mummy
222559 | Zig:25   | Killed a royal mummy
222560 | Zig:25   | Killed a royal mummy
222560 | Zig:25   | Killed a royal mummy
222560 | Zig:25   | Killed a royal mummy
222561 | Zig:25   | Killed a royal mummy
222561 | Zig:25   | Killed a royal mummy
222561 | Zig:25   | Killed a royal mummy
222561 | Zig:25   | Noticed a royal mummy
222562 | Zig:25   | Noticed a royal mummy
222562 | Zig:25   | Noticed a royal mummy
222562 | Zig:25   | Noticed a royal mummy
222562 | Zig:25   | Noticed a royal mummy
222563 | Zig:25   | Killed a royal mummy
222563 | Zig:25   | Noticed a royal mummy
222563 | Zig:25   | Noticed a royal mummy
222565 | Zig:25   | Killed a royal mummy
222565 | Zig:25   | Killed a royal mummy
222565 | Zig:25   | Killed a royal mummy
222565 | Zig:25   | Killed a royal mummy
222565 | Zig:25   | Killed a royal mummy
222565 | Zig:25   | Noticed a royal mummy
222566 | Zig:25   | Noticed a royal mummy
222567 | Zig:25   | Killed a royal mummy
222567 | Zig:25   | Killed a royal mummy
222567 | Zig:25   | Noticed a royal mummy
222568 | Zig:25   | Noticed a royal mummy
222570 | Zig:25   | Noticed a royal mummy
222570 | Zig:25   | Killed a royal mummy
222570 | Zig:25   | Noticed a royal mummy
222571 | Zig:25   | Killed a royal mummy
222571 | Zig:25   | Killed a royal mummy
222572 | Zig:25   | Noticed a royal mummy
222572 | Zig:25   | Noticed a royal mummy
222573 | Zig:25   | Killed a royal mummy
222573 | Zig:25   | Killed a royal mummy
222573 | Zig:25   | Killed a royal mummy
222574 | Zig:25   | Noticed a royal mummy
222576 | Zig:25   | Killed a royal mummy
222576 | Zig:25   | Killed a royal mummy
222578 | Zig:25   | Killed a royal mummy
222686 | Zig:25   | Identified the +8 scimitar of Kindness {venom, rF- MP+9
                  | Str-2 Dex+5 SInv}
222689 | Zig:25   | Identified the staff "Ulask" {rPois rC- Int+7 Alchemy}
222690 | Zig:25   | Identified the +6 scimitar of the Absolute Madman {drain,
                  | rCorr Dex+2}
222698 | Zig:25   | Identified the +6 dagger of Absolution {flame, Str+2 Dex+6}
222705 | Zig:25   | Identified the +1 plate armour of Creativity {Will+ Stlth+}
222717 | Zig:25   | Identified the amulet of Peiduvoo {Reflect rN+ SH+5}
222720 | Zig:25   | Identified the +7 dagger "Saklotaq" {venom, rC+ rN+}
222721 | Zig:25   | Identified the +9 war axe of Victory {freeze, rF+ MP-9
                  | Str+7}
222732 | Zig:25   | Identified the +10 scimitar "Mairife" {flame, rN+ Int+3}
222748 | Zig:25   | Identified the staff of the Gnat {Fly rN+ Will+ Str-5
                  | Stlth+ Necro}
222757 | Zig:25   | Identified the +6 rapier "Poppi Eruu" {speed, rF- rC+++
                  | rCorr}
222761 | Zig:25   | Identified the +2 pair of gloves "Nuvicael" {rElec Int+2}
222762 | Zig:25   | Identified the +11 flail of Earthquakes {elec, rC- rN+
                  | Str+4}
222767 | Zig:25   | Identified the +8 halberd "Abusaes" {elec, rPois}
222769 | Zig:25   | Identified the amulet "Haem" {Will+ Regen+ Str+2 Int+3}
222775 | Zig:25   | Identified the amulet "Vebiabaw" {Acrobat -Cast rPois rF++
                  | rC+}
222776 | Zig:25   | Identified the +8 great mace "Fuplaqin" {heavy, rC+}
223217 | Zig:26   | Entered Level 26 of a ziggurat
223217 | Zig:26   | Noticed a dread lich
223217 | Zig:26   | Noticed an ancient lich
223217 | Zig:26   | Noticed an ancient lich
223217 | Zig:26   | Noticed an ancient lich
223217 | Zig:26   | Noticed a dread lich
223217 | Zig:26   | Noticed an ancient lich
223217 | Zig:26   | Noticed an ancient lich
223217 | Zig:26   | Noticed an ancient lich
223218 | Zig:26   | Killed a dread lich
223219 | Zig:26   | Noticed an ancient lich
223219 | Zig:26   | Noticed a dread lich
223219 | Zig:26   | Noticed an ancient lich
223220 | Zig:26   | Noticed a dread lich
223220 | Zig:26   | Killed a dread lich
223220 | Zig:26   | Killed an ancient lich
223220 | Zig:26   | Killed an ancient lich
223220 | Zig:26   | Killed an ancient lich
223220 | Zig:26   | Killed an ancient lich
223221 | Zig:26   | Noticed an ancient lich
223221 | Zig:26   | Killed an ancient lich
223222 | Zig:26   | Killed a dread lich
223222 | Zig:26   | Killed an ancient lich
223222 | Zig:26   | Killed an ancient lich
223223 | Zig:26   | Noticed an ancient lich
223223 | Zig:26   | Noticed a dread lich
223223 | Zig:26   | Noticed a dread lich
223223 | Zig:26   | Noticed an ancient lich
223223 | Zig:26   | Noticed an ancient lich
223223 | Zig:26   | Noticed a dread lich
223223 | Zig:26   | Noticed an ancient lich
223224 | Zig:26   | Noticed a dread lich
223224 | Zig:26   | Noticed a dread lich
223224 | Zig:26   | Noticed a dread lich
223225 | Zig:26   | Killed an ancient lich
223225 | Zig:26   | Killed a dread lich
223225 | Zig:26   | Killed an ancient lich
223225 | Zig:26   | Killed a dread lich
223225 | Zig:26   | Killed an ancient lich
223225 | Zig:26   | Killed a dread lich
223225 | Zig:26   | Noticed an ancient lich
223225 | Zig:26   | Noticed a dread lich
223226 | Zig:26   | Noticed a dread lich
223226 | Zig:26   | Noticed a dread lich
223226 | Zig:26   | Noticed a dread lich
223226 | Zig:26   | Noticed a dread lich
223227 | Zig:26   | Noticed an ancient lich
223227 | Zig:26   | Noticed an ancient lich
223227 | Zig:26   | Noticed a dread lich
223227 | Zig:26   | Noticed a dread lich
223227 | Zig:26   | Noticed an ancient lich
223227 | Zig:26   | Noticed a dread lich
223228 | Zig:26   | Killed a dread lich
223228 | Zig:26   | Killed a dread lich
223228 | Zig:26   | Killed a dread lich
223228 | Zig:26   | Killed a dread lich
223228 | Zig:26   | Killed an ancient lich
223228 | Zig:26   | Killed an ancient lich
223228 | Zig:26   | Killed a dread lich
223228 | Zig:26   | Killed an ancient lich
223228 | Zig:26   | Killed a dread lich
223228 | Zig:26   | Noticed an ancient lich
223228 | Zig:26   | Killed a dread lich
223228 | Zig:26   | Killed an ancient lich
223229 | Zig:26   | Killed a dread lich
223229 | Zig:26   | Killed an ancient lich
223229 | Zig:26   | Killed a dread lich
223229 | Zig:26   | Killed an ancient lich
223230 | Zig:26   | Noticed a dread lich
223230 | Zig:26   | Noticed a dread lich
223230 | Zig:26   | Noticed a dread lich
223230 | Zig:26   | Noticed a dread lich
223231 | Zig:26   | Noticed a dread lich
223231 | Zig:26   | Noticed an ancient lich
223231 | Zig:26   | Noticed an ancient lich
223231 | Zig:26   | Noticed a dread lich
223231 | Zig:26   | Noticed a dread lich
223231 | Zig:26   | Noticed a dread lich
223231 | Zig:26   | Noticed an ancient lich
223232 | Zig:26   | Killed a dread lich
223233 | Zig:26   | Noticed a dread lich
223233 | Zig:26   | Noticed a dread lich
223233 | Zig:26   | Noticed a dread lich
223233 | Zig:26   | Noticed a dread lich
223234 | Zig:26   | Noticed a dread lich
223234 | Zig:26   | Noticed a dread lich
223234 | Zig:26   | Noticed a dread lich
223234 | Zig:26   | Noticed a dread lich
223234 | Zig:26   | Noticed an ancient lich
223234 | Zig:26   | Noticed an ancient lich
223235 | Zig:26   | Noticed a dread lich
223235 | Zig:26   | Noticed an ancient lich
223235 | Zig:26   | Killed a dread lich
223235 | Zig:26   | Killed an ancient lich
223235 | Zig:26   | Killed a dread lich
223235 | Zig:26   | Killed a dread lich
223235 | Zig:26   | Killed a dread lich
223235 | Zig:26   | Killed a dread lich
223235 | Zig:26   | Killed a dread lich
223235 | Zig:26   | Killed a dread lich
223235 | Zig:26   | Killed a dread lich
223235 | Zig:26   | Killed an ancient lich
223235 | Zig:26   | Killed an ancient lich
223235 | Zig:26   | Killed an ancient lich
223235 | Zig:26   | Noticed a dread lich
223236 | Zig:26   | Noticed an ancient lich
223236 | Zig:26   | Noticed a dread lich
223236 | Zig:26   | Noticed a dread lich
223236 | Zig:26   | Noticed an ancient lich
223236 | Zig:26   | Noticed a dread lich
223236 | Zig:26   | Noticed a dread lich
223236 | Zig:26   | Noticed a dread lich
223236 | Zig:26   | Noticed an ancient lich
223237 | Zig:26   | Killed a dread lich
223237 | Zig:26   | Killed a dread lich
223237 | Zig:26   | Killed a dread lich
223237 | Zig:26   | Killed a dread lich
223237 | Zig:26   | Killed a dread lich
223237 | Zig:26   | Killed an ancient lich
223237 | Zig:26   | Killed a dread lich
223237 | Zig:26   | Killed an ancient lich
223237 | Zig:26   | Killed an ancient lich
223237 | Zig:26   | Killed a dread lich
223237 | Zig:26   | Killed an ancient lich
223237 | Zig:26   | Killed an ancient lich
223237 | Zig:26   | Killed a dread lich
223237 | Zig:26   | Killed a dread lich
223237 | Zig:26   | Killed a dread lich
223238 | Zig:26   | Noticed an ancient lich
223238 | Zig:26   | Noticed a dread lich
223238 | Zig:26   | Noticed a dread lich
223238 | Zig:26   | Noticed a dread lich
223238 | Zig:26   | Noticed a dread lich
223239 | Zig:26   | Noticed an ancient lich
223239 | Zig:26   | Noticed an ancient lich
223239 | Zig:26   | Killed a dread lich
223240 | Zig:26   | Killed a dread lich
223240 | Zig:26   | Killed a dread lich
223240 | Zig:26   | Killed a dread lich
223240 | Zig:26   | Killed a dread lich
223240 | Zig:26   | Killed a dread lich
223240 | Zig:26   | Killed an ancient lich
223240 | Zig:26   | Noticed a dread lich
223241 | Zig:26   | Noticed an ancient lich
223241 | Zig:26   | Killed a dread lich
223241 | Zig:26   | Noticed an ancient lich
223242 | Zig:26   | Killed an ancient lich
223242 | Zig:26   | Killed a dread lich
223242 | Zig:26   | Killed a dread lich
223242 | Zig:26   | Killed an ancient lich
223242 | Zig:26   | Killed a dread lich
223243 | Zig:26   | Killed an ancient lich
223244 | Zig:26   | Killed a dread lich
223244 | Zig:26   | Killed an ancient lich
223244 | Zig:26   | Killed a dread lich
223244 | Zig:26   | Killed an ancient lich
223246 | Zig:26   | Killed an ancient lich
223715 | Zig:26   | Identified the +5 spear of Keemo {spect, MP+9}
223716 | Zig:26   | Identified the staff of Wosk {rF+ Int+5 Dex-5 Fire}
223724 | Zig:26   | Identified the +1 helmet of Crawling {Str+5 Stlth+}
223730 | Zig:26   | Identified the ring of Feumn {rF++ rC+ MP+9 Str+4}
223746 | Zig:26   | Identified the +1 falchion of Gulyetoq {holy, *Noise Will+
                  | Str+3}
223803 | Zig:26   | Identified the staff of the Asp {rC+ Str+5 Ice}
223808 | Zig:26   | Identified the ring of Joirruss {^Drain rF+ rCorr Dex+3}
223809 | Zig:26   | Identified the +2 halberd "Buntoin" {flame, rN+}
223812 | Zig:26   | Identified the +8 mace of Fefut {flame, rC+ Dex+6}
223814 | Zig:26   | Identified the +2 long sword of Beogh's Delight {speed,
                  | rN++}
223815 | Zig:26   | Identified the ring "Tuut" {rPois EV+5}
223833 | Zig:26   | Identified the amulet "Bibuop" {Reflect Rampage Str+7 Int-2
                  | SH+5}
223835 | Zig:26   | Identified the +4 great mace "Pecat" {freeze, Will+}
223910 | Zig:27   | Entered Level 27 of a ziggurat
223922 | Zig:27   | Noticed a dread lich
223923 | Zig:27   | Noticed a dread lich
223924 | Zig:27   | Noticed a dread lich
223925 | Zig:27   | Killed a dread lich
223927 | Zig:27   | Killed a dread lich
223930 | Zig:27   | Noticed a dread lich
223931 | Zig:27   | Killed a dread lich
223932 | Zig:27   | Killed a dread lich
223933 | Zig:27   | Paralysed by a wendigo for 1 turns
223971 | Zig:27   | Identified the amulet of Beauty {Acrobat +Blink rPois rCorr
                  | Dex-4}
223972 | Zig:27   | Identified the staff of Guilt {rC+ rN+ Will- Summ Necro}
224001 | Zig:27   | Identified the +0 robe of the Swan {Dex+2 Archmagi}
224008 | Zig:27   | Identified the amulet "Purovvep" {+Inv Regen+ Str+4}
224022 | Zig:27   | Acquired 514 gold pieces
224081 | Zig:27   | Identified the amulet of Generosity {Spirit rPois rF++ rC-
                  | Dex+3}
224596 | Zig:27   | Identified the +3 sling of the Valley of Death {drain,
                  | *Slow rF+ Will+}
224602 | Zig:27   | Identified the +2 shortbow of Pestilence {speed, *Corrode
                  | rF+ MP+9}
224604 | Zig:27   | Identified the +3 spear of the Disbelieving Gods {pain,
                  | rElec Str+2}
225626 | Zig:1    | Entered Level 1 of a ziggurat
225702 | Zig:2    | Entered Level 2 of a ziggurat
225702 | Zig:2    | Noticed an ancient lich
225703 | Zig:2    | Killed an ancient lich
225802 | Zig:3    | Entered Level 3 of a ziggurat
225968 | Zig:4    | Entered Level 4 of a ziggurat
225968 | Zig:4    | Noticed a juggernaut
225968 | Zig:4    | Noticed a juggernaut
225968 | Zig:4    | Noticed a juggernaut
225968 | Zig:4    | Noticed a juggernaut
225968 | Zig:4    | Noticed a juggernaut
225969 | Zig:4    | Killed a juggernaut
225969 | Zig:4    | Killed a juggernaut
225970 | Zig:4    | Noticed a juggernaut
225972 | Zig:4    | Killed a juggernaut
225972 | Zig:4    | Killed a juggernaut
225972 | Zig:4    | Killed a juggernaut
225975 | Zig:4    | Killed a juggernaut
226176 | Zig:5    | Entered Level 5 of a ziggurat
226179 | Zig:5    | Paralysed by an air elemental for 1 turns
226445 | Zig:6    | Entered Level 6 of a ziggurat
226445 | Zig:6    | Noticed a juggernaut
226445 | Zig:6    | Noticed a juggernaut
226445 | Zig:6    | Noticed a juggernaut
226445 | Zig:6    | Noticed a juggernaut
226445 | Zig:6    | Noticed a juggernaut
226446 | Zig:6    | Killed a juggernaut
226446 | Zig:6    | Killed a juggernaut
226447 | Zig:6    | Noticed a juggernaut
226448 | Zig:6    | Noticed a juggernaut
226448 | Zig:6    | Noticed a juggernaut
226449 | Zig:6    | Noticed a juggernaut
226450 | Zig:6    | Killed a juggernaut
226450 | Zig:6    | Killed a juggernaut
226450 | Zig:6    | Killed a juggernaut
226450 | Zig:6    | Killed a juggernaut
226450 | Zig:6    | Killed a juggernaut
226453 | Zig:6    | Killed a juggernaut
226456 | Zig:6    | Killed a juggernaut
226631 | Zig:6    | Identified the +1 ring mail "Daammi" {rF+ Dex+2}
226663 | Zig:6    | Identified the +2 cloak "Fifobek" {rPois rC+ Dex+3}
226665 | Zig:6    | Identified the +8 spear "Evitwoul" {venom, Dex+3 SInv
                  | Stlth+}
226736 | Zig:6    | Upgraded the game from 0.31.0-7-gf635a9b802 to
                  | 0.31.0-9-g3a7656b989
226752 | Zig:7    | Entered Level 7 of a ziggurat
227019 | Zig:8    | Entered Level 8 of a ziggurat
227019 | Zig:8    | Noticed a juggernaut
227019 | Zig:8    | Noticed a juggernaut
227020 | Zig:8    | Noticed a juggernaut
227021 | Zig:8    | Killed a juggernaut
227022 | Zig:8    | Noticed a juggernaut
227023 | Zig:8    | Killed a juggernaut
227023 | Zig:8    | Killed a juggernaut
227024 | Zig:8    | Noticed a juggernaut
227024 | Zig:8    | Noticed a juggernaut
227025 | Zig:8    | Killed a juggernaut
227025 | Zig:8    | Killed a juggernaut
227026 | Zig:8    | Noticed a juggernaut
227026 | Zig:8    | Noticed a juggernaut
227026 | Zig:8    | Noticed a juggernaut
227027 | Zig:8    | Killed a juggernaut
227027 | Zig:8    | Killed a juggernaut
227028 | Zig:8    | Noticed a juggernaut
227028 | Zig:8    | Noticed a juggernaut
227029 | Zig:8    | Killed a juggernaut
227029 | Zig:8    | Killed a juggernaut
227030 | Zig:8    | Killed a juggernaut
227031 | Zig:8    | Noticed a juggernaut
227032 | Zig:8    | Killed a juggernaut
227034 | Zig:8    | Killed a juggernaut
227251 | Zig:8    | Identified the staff of the Head {*Slow rPois rN+ Int+8
                  | Dex-4 Necro}
227286 | Zig:9    | Entered Level 9 of a ziggurat
227307 | Zig:9    | Identified the +5 quarterstaff of Prudence {heavy, Str+5
                  | Int-3}
227321 | Zig:9    | Identified the +8 broad axe of Afoocimi {freeze, ^Contam
                  | rF+++ rN++ rCorr}
227368 | Zig:9    | Identified the +9 shortbow "Qivvutet" {flame, MP+9 Str+6
                  | Int+3 Stlth-}
227624 | Zig:10   | Entered Level 10 of a ziggurat
227624 | Zig:10   | Noticed a dread lich
227624 | Zig:10   | Noticed an ancient lich
227624 | Zig:10   | Noticed a dread lich
227624 | Zig:10   | Noticed an ancient lich
227624 | Zig:10   | Noticed a dread lich
227625 | Zig:10   | Noticed a dread lich
227625 | Zig:10   | Noticed an ancient lich
227625 | Zig:10   | Noticed an ancient lich
227625 | Zig:10   | Noticed an ancient lich
227626 | Zig:10   | Noticed a dread lich
227627 | Zig:10   | Noticed a dread lich
227627 | Zig:10   | Noticed a dread lich
227627 | Zig:10   | Noticed an ancient lich
227627 | Zig:10   | Noticed a dread lich
227628 | Zig:10   | Killed an ancient lich
227628 | Zig:10   | Killed a dread lich
227628 | Zig:10   | Killed an ancient lich
227628 | Zig:10   | Killed a dread lich
227628 | Zig:10   | Killed a dread lich
227628 | Zig:10   | Killed a dread lich
227628 | Zig:10   | Killed a dread lich
227629 | Zig:10   | Noticed a dread lich
227629 | Zig:10   | Noticed an ancient lich
227629 | Zig:10   | Noticed a dread lich
227629 | Zig:10   | Noticed an ancient lich
227629 | Zig:10   | Noticed an ancient lich
227629 | Zig:10   | Noticed a dread lich
227629 | Zig:10   | Noticed an ancient lich
227629 | Zig:10   | Noticed an ancient lich
227630 | Zig:10   | Killed a dread lich
227630 | Zig:10   | Killed a dread lich
227630 | Zig:10   | Killed a dread lich
227630 | Zig:10   | Killed an ancient lich
227630 | Zig:10   | Killed an ancient lich
227630 | Zig:10   | Killed an ancient lich
227630 | Zig:10   | Killed an ancient lich
227631 | Zig:10   | Killed an ancient lich
227631 | Zig:10   | Killed an ancient lich
227631 | Zig:10   | Killed an ancient lich
227631 | Zig:10   | Killed a dread lich
227631 | Zig:10   | Noticed a dread lich
227632 | Zig:10   | Killed an ancient lich
227633 | Zig:10   | Noticed a dread lich
227633 | Zig:10   | Killed a dread lich
227633 | Zig:10   | Killed an ancient lich
227633 | Zig:10   | Killed a dread lich
227633 | Zig:10   | Killed a dread lich
227633 | Zig:10   | Noticed an ancient lich
227634 | Zig:10   | Noticed a dread lich
227634 | Zig:10   | Noticed a dread lich
227635 | Zig:10   | Killed an ancient lich
227635 | Zig:10   | Killed a dread lich
227635 | Zig:10   | Noticed an ancient lich
227636 | Zig:10   | Noticed a dread lich
227636 | Zig:10   | Noticed a dread lich
227636 | Zig:10   | Noticed an ancient lich
227637 | Zig:10   | Killed a dread lich
227637 | Zig:10   | Killed an ancient lich
227637 | Zig:10   | Killed a dread lich
227637 | Zig:10   | Killed a dread lich
227638 | Zig:10   | Killed a dread lich
227638 | Zig:10   | Noticed an ancient lich
227638 | Zig:10   | Noticed a dread lich
227639 | Zig:10   | Killed an ancient lich
227639 | Zig:10   | Killed an ancient lich
227639 | Zig:10   | Killed a dread lich
227641 | Zig:10   | Noticed an ancient lich
227642 | Zig:10   | Noticed a dread lich
227642 | Zig:10   | Killed a dread lich
227644 | Zig:10   | Killed an ancient lich
227883 | Zig:10   | Identified the staff "Feiluzo" {Int-3 Dex+5 Earth}
227884 | Zig:10   | Identified the ring "Xunwus" {Wiz MP-9 Int+4}
227887 | Zig:10   | Identified the +9 lajatang of Turmoil {venom, +Blink Str+3}
227892 | Zig:10   | Identified the staff of Xestucs {Int+2 Conj Alchemy}
227925 | Zig:11   | Entered Level 11 of a ziggurat
227962 | Zig:11   | Identified the ring "Xoxkioth" {Int+6 Dex+3}
228035 | Zig:11   | Identified the ring "Xeon" {+Blink rPois Slay+6}
228287 | Zig:12   | Entered Level 12 of a ziggurat
228704 | Zig:12   | Identified the amulet "Foli" {Faith rPois rN+ Slay+5}
228745 | Zig:12   | Identified the +10 dagger "Sarcophage" {freeze, rPois rF+
                  | rC+}
228776 | Zig:13   | Entered Level 13 of a ziggurat
229110 | Zig:13   | Identified the ring "Buzesey" {rF+ rCorr}
229117 | Zig:13   | Identified the staff "Vani" {^Contam Dex+7 Hexes Earth}
229132 | Zig:14   | Entered Level 14 of a ziggurat
229493 | Zig:14   | Identified the +5 scale mail of the Swamp {rF++ Int+2}
229530 | Zig:14   | Identified the +6 orcbow of the Turnip {freeze, Will+
                  | Str+3}
229680 | Zig:15   | Entered Level 15 of a ziggurat
229682 | Zig:15   | Noticed an ancient lich
229682 | Zig:15   | Noticed a dread lich
229682 | Zig:15   | Noticed an ancient lich
229682 | Zig:15   | Noticed a dread lich
229682 | Zig:15   | Noticed a dread lich
229683 | Zig:15   | Noticed a dread lich
229683 | Zig:15   | Noticed a dread lich
229683 | Zig:15   | Noticed an ancient lich
229683 | Zig:15   | Noticed an ancient lich
229683 | Zig:15   | Noticed an ancient lich
229683 | Zig:15   | Noticed a dread lich
229683 | Zig:15   | Noticed a dread lich
229683 | Zig:15   | Noticed an ancient lich
229684 | Zig:15   | Noticed a dread lich
229684 | Zig:15   | Killed an ancient lich
229685 | Zig:15   | Killed a dread lich
229685 | Zig:15   | Killed an ancient lich
229685 | Zig:15   | Killed a dread lich
229685 | Zig:15   | Killed a dread lich
229685 | Zig:15   | Killed an ancient lich
229685 | Zig:15   | Killed an ancient lich
229685 | Zig:15   | Killed a dread lich
229685 | Zig:15   | Killed a dread lich
229685 | Zig:15   | Killed an ancient lich
229685 | Zig:15   | Killed a dread lich
229685 | Zig:15   | Noticed a dread lich
229685 | Zig:15   | Noticed an ancient lich
229686 | Zig:15   | Noticed a dread lich
229686 | Zig:15   | Noticed a dread lich
229686 | Zig:15   | Noticed a dread lich
229687 | Zig:15   | Noticed an ancient lich
229687 | Zig:15   | Noticed a dread lich
229689 | Zig:15   | Noticed a dread lich
229689 | Zig:15   | Noticed an ancient lich
229690 | Zig:15   | Killed a dread lich
229690 | Zig:15   | Killed a dread lich
229690 | Zig:15   | Killed an ancient lich
229691 | Zig:15   | Killed a dread lich
229691 | Zig:15   | Killed an ancient lich
229691 | Zig:15   | Killed an ancient lich
229691 | Zig:15   | Killed a dread lich
229691 | Zig:15   | Killed a dread lich
229691 | Zig:15   | Killed a dread lich
229691 | Zig:15   | Killed a dread lich
229691 | Zig:15   | Killed a dread lich
229692 | Zig:15   | Noticed an ancient lich
229692 | Zig:15   | Noticed a dread lich
229692 | Zig:15   | Noticed an ancient lich
229693 | Zig:15   | Noticed an ancient lich
229693 | Zig:15   | Noticed a dread lich
229694 | Zig:15   | Noticed an ancient lich
229694 | Zig:15   | Noticed a dread lich
229694 | Zig:15   | Noticed an ancient lich
229695 | Zig:15   | Noticed a dread lich
229695 | Zig:15   | Noticed an ancient lich
229695 | Zig:15   | Killed an ancient lich
229695 | Zig:15   | Killed an ancient lich
229695 | Zig:15   | Killed an ancient lich
229695 | Zig:15   | Killed a dread lich
229695 | Zig:15   | Killed a dread lich
229695 | Zig:15   | Killed a dread lich
229696 | Zig:15   | Noticed an ancient lich
229696 | Zig:15   | Noticed a dread lich
229696 | Zig:15   | Killed an ancient lich
229697 | Zig:15   | Killed an ancient lich
229697 | Zig:15   | Killed a dread lich
229697 | Zig:15   | Killed an ancient lich
229698 | Zig:15   | Noticed an ancient lich
229698 | Zig:15   | Noticed an ancient lich
229698 | Zig:15   | Noticed an ancient lich
229699 | Zig:15   | Killed an ancient lich
229699 | Zig:15   | Killed an ancient lich
229700 | Zig:15   | Noticed a dread lich
229700 | Zig:15   | Noticed an ancient lich
229700 | Zig:15   | Killed an ancient lich
229700 | Zig:15   | Noticed a dread lich
229701 | Zig:15   | Noticed a dread lich
229701 | Zig:15   | Killed an ancient lich
229701 | Zig:15   | Killed an ancient lich
229701 | Zig:15   | Killed a dread lich
229701 | Zig:15   | Killed an ancient lich
229705 | Zig:15   | Killed a dread lich
229705 | Zig:15   | Killed a dread lich
229705 | Zig:15   | Killed a dread lich
229706 | Zig:15   | Noticed a dread lich
229706 | Zig:15   | Noticed an ancient lich
229706 | Zig:15   | Noticed a dread lich
229707 | Zig:15   | Killed a dread lich
229708 | Zig:15   | Killed an ancient lich
229709 | Zig:15   | Killed a dread lich
229709 | Zig:15   | Killed an ancient lich
229891 | Zig:15   | Identified the +3 falchion "Zethrap" {venom, Fly rElec
                  | Str-5 Dex+7}
229897 | Zig:15   | Identified the staff "Otuimn" {rPois Will+ Air Alchemy}
229903 | Zig:15   | Identified the staff "Efeagoa" {rPois Will+ Dex+3 Stlth+
                  | Tloc Alchemy}
229920 | Zig:15   | Identified the ring of Doemor {Wiz rF+ Int+4}
229928 | Zig:15   | Identified the +5 plate armour "Tianuuj" {Fly rElec}
230134 | Zig:16   | Entered Level 16 of a ziggurat
230167 | Zig:16   | Noticed Faklunwu the pandemonium lord
230175 | Zig:16   | Killed Faklunwu the pandemonium lord
230617 | Zig:16   | Identified the ring "Toen" {EV+5 Str+6 Dex-2}
230620 | Zig:16   | Identified the +1 scale mail of the Guild-Master {Int+4
                  | Dex+3}
230624 | Zig:16   | Identified the ring of Jusi {Str+6 Dex+3}
230631 | Zig:16   | Identified the staff of Humoh {MP+9 Dex+2 Conj}
230634 | Zig:16   | Identified the +1 leather armour "Zoirghur" {rC+ rCorr}
230652 | Zig:16   | Identified the +5 ring mail of Uskayaw's Indignation {Will+
                  | Str+3}
230657 | Zig:16   | Identified the +0 tower shield of the Mantidfly {rElec
                  | Str+3 Stlth+}
230658 | Zig:16   | Identified the +9 arbalest of Nitob {freeze, rC+}
230670 | Zig:16   | Identified the amulet "Qeaz Ycs" {rC+++ rN+ Will- Regen+
                  | Int+3}
230740 | Zig:17   | Entered Level 17 of a ziggurat
230751 | Zig:17   | Noticed an ancient lich
230753 | Zig:17   | Noticed a dread lich
230754 | Zig:17   | Noticed a dread lich
230755 | Zig:17   | Killed a dread lich
230757 | Zig:17   | Killed a dread lich
230761 | Zig:17   | Noticed an ancient lich
230762 | Zig:17   | Killed an ancient lich
230763 | Zig:17   | Killed an ancient lich
230879 | Zig:17   | Identified the ring "Ataef" {Dex+6 Slay+2}
230881 | Zig:17   | Identified the ring "Giedam" {rCorr Int+4 Dex+3 SInv}
230891 | Zig:17   | Identified the +12 war axe of Hijidwyn {speed, rElec}
230899 | Zig:17   | Identified the staff "Coulelo" {rElec Int+3 Air}
230912 | Zig:17   | Identified the ring of Sawkom {rElec Will+ Str+3 Stlth-}
230914 | Zig:17   | Identified the +0 chain mail of the True Pharaoh {Rampage
                  | Str+2}
230925 | Zig:17   | Identified the +0 gold dragon scales "Osche" {rPois rF+ rC+
                  | rN++ Will+ Int-4}
230928 | Zig:17   | Identified the ring "Herghestu" {rPois rC+ rN+ Str+2 Dex-5}
230934 | Zig:17   | Identified the +1 robe "Deilid" {^Contam Regen+ Int+3
                  | Dex-2}
230953 | Zig:17   | Identified the +0 cloak "Toxac" {Str+4}
230955 | Zig:17   | Identified the staff of Taxation {rC++ rCorr Str-3 Conj
                  | Hexes}
231221 | Zig:18   | Entered Level 18 of a ziggurat
231224 | Zig:18   | Killed a seraph
231224 | Zig:18   | Identified the +3 tower shield of a treasure trove {+Blink
                  | Str+2 SInv}
231228 | Zig:18   | Noticed a seraph
231228 | Zig:18   | Killed a seraph
231229 | Zig:18   | Noticed a seraph
231230 | Zig:18   | Noticed a seraph
231230 | Zig:18   | Noticed a seraph
231233 | Zig:18   | Killed a seraph
231233 | Zig:18   | Noticed a seraph
231236 | Zig:18   | Identified the +7 tower shield of Squeaky Contentment {Fly
                  | Slay+2}
231237 | Zig:18   | Killed a seraph
231239 | Zig:18   | Noticed a seraph
231240 | Zig:18   | Noticed a seraph
231241 | Zig:18   | Killed a seraph
231241 | Zig:18   | Killed a seraph
231241 | Zig:18   | Killed a seraph
231242 | Zig:18   | Killed a seraph
231243 | Zig:18   | Noticed a seraph
231244 | Zig:18   | Killed a seraph
231244 | Zig:18   | Killed a seraph
231245 | Zig:18   | Noticed a seraph
231247 | Zig:18   | Noticed a seraph
231247 | Zig:18   | Killed a seraph
231248 | Zig:18   | Killed a seraph
231252 | Zig:18   | Killed a seraph
231254 | Zig:18   | Identified the +6 tower shield of Temperance {rCorr Str+3}
231259 | Zig:18   | Killed a seraph
231260 | Zig:18   | Noticed a seraph
231261 | Zig:18   | Noticed a seraph
231264 | Zig:18   | Killed a seraph
231270 | Zig:18   | Killed a seraph
231272 | Zig:18   | Killed a seraph
231275 | Zig:18   | Identified the +0 tower shield of Dithmenos's Reproof
                  | {Will- Str-2 Dex+6 SInv}
231276 | Zig:18   | Identified the +0 tower shield "Puquanur" {Harm rElec
                  | rCorr}
231278 | Zig:18   | Noticed a seraph
231283 | Zig:18   | Killed a seraph
231291 | Zig:18   | Noticed a seraph
231298 | Zig:18   | Identified the +0 tower shield of Responsibility {rPois
                  | Stlth+}
231303 | Zig:18   | Killed a seraph
231591 | Zig:18   | Identified the +6 shortbow of Xukhlegon {speed, Dex+3}
231595 | Zig:18   | Identified the +5 acid dragon scales of Emimmaokh {Harm
                  | rElec rCorr Dex+5}
231608 | Zig:18   | Identified the +0 mace of Fae Punishment {chaos, +Blink
                  | rElec rF+}
231611 | Zig:18   | Identified the amulet of Dorghexoar {RegenMP rElec rPois}
231618 | Zig:18   | Identified the staff of the Hierophant {rElec rC+ Int+5
                  | Dex-5 Ice}
231619 | Zig:18   | Identified the ring "Cypnuah" {Dex+6 Stlth+}
231646 | Zig:19   | Entered Level 19 of a ziggurat
231647 | Zig:19   | Noticed an ancient lich
231650 | Zig:19   | Noticed an ancient lich
231653 | Zig:19   | Killed an ancient lich
231653 | Zig:19   | Noticed an ancient lich
231654 | Zig:19   | Noticed an ancient lich
231654 | Zig:19   | Noticed an ancient lich
231655 | Zig:19   | Killed an ancient lich
231657 | Zig:19   | Killed an ancient lich
231657 | Zig:19   | Killed an ancient lich
231657 | Zig:19   | Killed an ancient lich
231657 | Zig:19   | Noticed an ancient lich
231659 | Zig:19   | Killed an ancient lich
231660 | Zig:19   | Noticed an ancient lich
231660 | Zig:19   | Noticed an ancient lich
231660 | Zig:19   | Noticed an ancient lich
231660 | Zig:19   | Noticed an ancient lich
231660 | Zig:19   | Noticed an ancient lich
231661 | Zig:19   | Killed an ancient lich
231661 | Zig:19   | Killed an ancient lich
231661 | Zig:19   | Noticed an ancient lich
231662 | Zig:19   | Killed an ancient lich
231662 | Zig:19   | Killed an ancient lich
231662 | Zig:19   | Killed an ancient lich
231662 | Zig:19   | Killed an ancient lich
231664 | Zig:19   | Noticed an ancient lich
231664 | Zig:19   | Noticed an ancient lich
231665 | Zig:19   | Killed an ancient lich
231666 | Zig:19   | Killed an ancient lich
231666 | Zig:19   | Noticed an ancient lich
231667 | Zig:19   | Killed an ancient lich
231668 | Zig:19   | Noticed an ancient lich
231669 | Zig:19   | Noticed an ancient lich
231670 | Zig:19   | Noticed an ancient lich
231671 | Zig:19   | Killed an ancient lich
231673 | Zig:19   | Killed an ancient lich
231674 | Zig:19   | Noticed an ancient lich
231675 | Zig:19   | Killed an ancient lich
231676 | Zig:19   | Noticed an ancient lich
231677 | Zig:19   | Killed an ancient lich
231678 | Zig:19   | Noticed an ancient lich
231679 | Zig:19   | Noticed an ancient lich
231680 | Zig:19   | Noticed an ancient lich
231681 | Zig:19   | Killed an ancient lich
231681 | Zig:19   | Killed an ancient lich
231683 | Zig:19   | Killed an ancient lich
231687 | Zig:19   | Killed an ancient lich
231754 | Zig:19   | Identified the +10 glaive "Sackuym" {holy, MP+9}
231755 | Zig:19   | Identified the staff of Red Wine {rN+ Str+2 Stlth- Necro
                  | Tloc}
231761 | Zig:19   | Identified the +9 hand cannon "Xufucroecer" {heavy, rC+
                  | Str+2}
231762 | Zig:19   | Identified the ring of Fuekemoa {rF+ Str+3 Dex+3}
231801 | Zig:19   | Identified the ring of Siafom {rF+ Str+6}
231807 | Zig:19   | Identified the +3 broad axe "Lell" {flame, Will+}
231885 | Zig:19   | Identified the +3 falchion "Dygowu" {antimagic, rCorr}
232236 | Zig:20   | Entered Level 20 of a ziggurat
232266 | Zig:20   | Paralysed by an air elemental for 1 turns
232821 | Zig:20   | Identified the +1 leather armour of the Apprentice {rPois}
232835 | Zig:20   | Identified the +6 sling of the Modern Shrikes {heavy,
                  | rPois}
232907 | Zig:20   | Identified the +0 acid dragon scales of Incorporation {rF+
                  | Regen+ rCorr}
232925 | Zig:20   | Identified the +8 demon trident of the Heavens {pain, rPois
                  | rN+ Int+4 Stlth+}
232958 | Zig:20   | Identified the ring of Xeawiec {Wiz Int+5 Dex-3 SInv}
232962 | Zig:20   | Identified the ring "Suskivy" {^Drain rC+ rCorr Dex+4 SInv}
232984 | Zig:20   | Identified the +0 long sword of Equilibrium {holy, *Rage
                  | rC+ Dex+8}
232988 | Zig:20   | Identified the amulet of Impatience {RegenMP rC+ Regen+
                  | rCorr}
233062 | Zig:21   | Entered Level 21 of a ziggurat
233524 | Zig:21   | Identified the +12 crystal plate armour "Velist" {-Tele
                  | Rampage rF++ rCorr}
233528 | Zig:21   | Identified the +7 mace "Qymeicax" {venom, rF+ Int+5}
233529 | Zig:21   | Identified the +10 quarterstaff "Aziezew" {freeze, rF+
                  | Int+3 Dex-2 SInv}
233533 | Zig:21   | Identified the +4 dagger "Pubatar" {spect, Stlth+}
233540 | Zig:21   | Identified the amulet of Geenuhatz {RegenMP rN++}
233542 | Zig:21   | Identified the ring of Dyukoami {^Drain rF+++ MP+9 Dex+6
                  | Stlth+}
233544 | Zig:21   | Identified the +4 shortbow "Udahuleck" {freeze, rF+ rN+
                  | Int+3 Stlth+}
233545 | Zig:21   | Identified the +6 mace "Dommuase" {elec, Dex+3}
233561 | Zig:21   | Identified the +3 whip of Fate {heavy, ^Fragile Fly rCorr
                  | Dex+5}
233568 | Zig:21   | Identified the death talisman of the Tormentor {+Blink
                  | Will+++ Str-4 Stlth-}
233580 | Zig:21   | Identified the +3 flail "Puosunext" {venom, *Rage +Blink
                  | rF+ Stlth+}
233581 | Zig:21   | Identified the +2 short sword "Yhyntyth" {flame, rPois rF-
                  | rN+}
233586 | Zig:21   | Identified the +10 battleaxe of Prescription {freeze,
                  | *Corrode rF+ rC++ rN+}
233588 | Zig:21   | Identified the amulet "Bita" {Regen+ Int+2}
233589 | Zig:21   | Identified the amulet of Amaloem {Reflect rC+ Will+ Int-4
                  | Dex+5 SH+5}
233639 | Zig:22   | Entered Level 22 of a ziggurat
234183 | Zig:22   | Identified the +8 trident "Irokk" {freeze, +Blink rPois
                  | Will- Stlth+}
234209 | Zig:22   | Identified the +3 dagger "Arbiter" {antimagic, rC+}
234217 | Zig:22   | Identified the +2 falchion "Junuyfyup" {elec, rF- rN+ Str+3
                  | Int+2}
234265 | Zig:22   | Identified the staff of Cotuwk {*Corrode rF+++ Int+3 Conj}
234282 | Zig:22   | Identified the +1 broad axe "Juadu" {flame, rPois Str+2
                  | Stlth+}
234285 | Zig:22   | Identified the +1 great sword of Discord {flame, Stlth+}
234340 | Zig:22   | Identified the ring of Recklessness {Ice rElec MP-9 Str+9
                  | Dex-2}
234417 | Zig:23   | Entered Level 23 of a ziggurat
234463 | Zig:23   | Noticed Ajiytral the pandemonium lord
234474 | Zig:23   | Killed Ajiytral the pandemonium lord
234548 | Zig:23   | Identified the amulet "Zaudiq" {Acrobat rF- Regen+ Str+3}
234671 | Zig:23   | Identified the orb of Ipomnaz {guile, rN+ Int+3}
234677 | Zig:23   | Identified the ring "Huass" {rElec Str+3 Int+6 Dex-4}
234680 | Zig:23   | Identified the +5 ring mail of Indecent Exposure {Str+4
                  | Int+4}
234693 | Zig:23   | Identified the ring of Ifrukk {Will- Str+6 Int-3 Dex+6}
234697 | Zig:23   | Identified the ring "Hetej" {Fly rF- rN+++ rCorr Str-4}
235269 | Zig:24   | Entered Level 24 of a ziggurat
235301 | Zig:24   | Noticed an ancient lich
235305 | Zig:24   | Killed an ancient lich
235319 | Zig:24   | Noticed an ancient lich
235322 | Zig:24   | Killed an ancient lich
236144 | Zig:24   | Identified the +0 buckler "Ezahiwer" {rPois rN+ Int+3}
236208 | Zig:24   | Identified the staff of the Harvest {*Corrode rC+ Str+4
                  | Int+2 Ice}
236214 | Zig:24   | Identified the +2 ring mail "Kuffu" {rF+ Int+6}
236217 | Zig:24   | Identified the +3 scale mail of Bad Feelings {Fly rF+
                  | Int-5}
236219 | Zig:24   | Identified the +0 war axe of Xiom {flame, Dex+4}
236252 | Zig:25   | Entered Level 25 of a ziggurat
236403 | Zig:25   | Identified the ring "Gogyil Igif" {+Blink MP+9 Dex+2}
236412 | Zig:25   | Identified the +4 ring mail of Iviojyerch {Dex+3}
236413 | Zig:25   | Identified the +4 dagger of Cuetan {flame, Will+ Int+3}
236433 | Zig:25   | Identified the amulet "Joufoh" {RegenMP Harm rElec Will+
                  | rCorr}
236443 | Zig:25   | Identified the +7 rapier of Prudence {drain, Will+}
236450 | Zig:25   | Identified the +10 short sword of Xeowo {holy, Fly rElec
                  | Will+ Str+3}
236456 | Zig:25   | Identified the ring of the Morning {Wiz Str+3}
236464 | Zig:25   | Identified the amulet "Hooblub" {Spirit Int+4 Dex-5}
236497 | Zig:25   | Identified the staff of Tenacity {rC+ Str+2 Int+2 Conj
                  | Earth}
237024 | Zig:26   | Entered Level 26 of a ziggurat
237093 | Zig:26   | Noticed Hoskoiq the pandemonium lord
237101 | Zig:26   | Killed Hoskoiq the pandemonium lord
237639 | Zig:26   | Identified the +2 battleaxe "Coimy" {drain, *Rage Will++
                  | Dex+2}
237640 | Zig:26   | Identified the +6 arbalest "Death Rattle" {flame, Str+3}
237641 | Zig:26   | Identified the amulet "Juecw" {Reflect ^Fragile rPois Str+2
                  | SH+5}
237643 | Zig:26   | Identified the +2 ring mail of Decaying Awe {+Inv rElec
                  | rC++ Stlth-}
237652 | Zig:26   | Identified the +6 short sword of Dissatisfaction {flame,
                  | rF- Will+ rCorr Stlth+}
237657 | Zig:26   | Identified the amulet of Funa Jir {Spirit rElec rPois}
237664 | Zig:26   | Identified the +1 war axe "Killer Klown's Foe" {antimagic,
                  | Int+3}
237665 | Zig:26   | Identified the ring of Ewureru {+Blink rPois Dex+2}
237825 | Zig:26   | Identified the +2 chain mail of the Guilds {Int+3}
237857 | Zig:27   | Entered Level 27 of a ziggurat
238008 | Zig:27   | Identified the +6 chain mail "Dythrorph" {Str+3}
238025 | Zig:27   | Identified the +0 scale mail of the Old World {rC- Str-2
                  | SInv Stlth+}
238029 | Zig:27   | Identified the ring of the Butterfly {rC+ rN+ Will- Str+2}
238036 | Zig:27   | Identified the +1 pair of boots "Hiajifagg" {Regen+}
238045 | Zig:27   | Identified the +4 trident of Ofol Atu {protect, rC+}
238053 | Zig:27   | Identified the ring "Taxibiwake" {Wiz Int+3}
238138 | Zig:27   | Identified the +8 chain mail of the Fiddle {rN+ Str+2}
238147 | Zig:27   | Identified the ring of Wyadwu {rC++ rN+ Str+2 Int+6 Stlth-}
238153 | Zig:27   | Identified the +0 plate armour of the Sunfish {Str+3}
238190 | Zig:27   | Identified the ring "Irybutz" {rF- rCorr Str+4}
238196 | Zig:27   | Identified the +12 crystal plate armour of the Fiend {Fly
                  | rCorr}
238197 | Zig:27   | Identified the ring "Tiusiat" {rElec MP+9 Slay+4}
238204 | Zig:27   | Identified the +9 falchion "Weedumu" {spect, rF+}
238264 | Zig:27   | Identified the +0 fire dragon scales "Fafog" {rF++ rC-
                  | Str+4 Int-2 Dex+2}
238266 | Zig:27   | Identified the granite talisman "Toakapn" {Will+ Int-3
                  | Dex+2 Stlth+}
238280 | Zig:27   | Identified the +1 long sword "Nuocihih" {freeze, rElec
                  | Str+3 Dex+3}
238302 | Zig:27   | Identified the staff of Floods {rN+ Str+3 Stlth+ Necro}
238306 | Zig:27   | Identified the +6 great sword of Musou {elec, rPois SInv}
238307 | Zig:27   | Identified the ring of Paranoia {EV+5 Str+3 Int+6}
238968 | Zig:27   | Identified the ring of the Sky {rC+ Will+ Str+4 Int+3}
239179 | Depths:3 | Acquired 853 gold pieces
239180 | Depths:3 | Acquired 1079 gold pieces
239182 | Depths:3 | Acquired the +2 pair of gloves "Goc Keu" {Harm rElec
                  | Regen+}
239183 | Depths:3 | Acquired 853 gold pieces
239219 | Zig:1    | Entered Level 1 of a ziggurat
239219 | Zig:1    | Noticed Arry the pandemonium lord
239219 | Zig:1    | Noticed Zaish the pandemonium lord
239230 | Zig:1    | Killed Zaish the pandemonium lord
239230 | Zig:1    | Killed Arry the pandemonium lord
239290 | Zig:2    | Entered Level 2 of a ziggurat
239290 | Zig:2    | Noticed a juggernaut
239294 | Zig:2    | Killed a juggernaut
239431 | Zig:2    | Identified the +8 long sword of Light {drain, Dex+2}
239438 | Zig:2    | Identified the +0 orcbow "Gebb" {antimagic, Will- Str+3
                  | Dex+4}
239445 | Zig:3    | Entered Level 3 of a ziggurat
239603 | Zig:4    | Entered Level 4 of a ziggurat
239713 | Zig:4    | Identified the +10 orcbow "Pacvoma" {heavy, rN+ Will- Int+5
                  | Stlth+}
239724 | Zig:4    | Identified the +9 sling of Awkwardness {heavy, rN+ MP+9
                  | Dex+3 Stlth+}
239740 | Zig:5    | Entered Level 5 of a ziggurat
239781 | Zig:5    | Identified the ring of Mesecoyc {rPois MP+9 Str+3 Dex+3
                  | Slay+3}
239800 | Zig:5    | Identified the ring "Axzewuy" {Fly Dex+6 Stlth+}
239807 | Zig:5    | Identified the ring of Summertime {rCorr Int+2}
239933 | Zig:6    | Entered Level 6 of a ziggurat
240148 | Zig:6    | Identified the +0 shortbow "Haammi" {flame, Dex+2 SInv}
240150 | Zig:6    | Identified the +10 hand axe "Foossaul" {flame, rElec Str+2}
240152 | Zig:6    | Identified the +0 helmet of Totaeg {rC++}
240163 | Zig:6    | Identified the +4 ring mail of Greed {^Drain rF+ Int+3}
240209 | Zig:7    | Entered Level 7 of a ziggurat
240444 | Zig:7    | Identified the staff "Ibumm" {rPois rC- Int+3 Necro Air
                  | Alchemy}
240452 | Zig:8    | Entered Level 8 of a ziggurat
240452 | Zig:8    | Noticed an ancient lich
240452 | Zig:8    | Noticed a dread lich
240452 | Zig:8    | Noticed a dread lich
240452 | Zig:8    | Noticed an ancient lich
240452 | Zig:8    | Noticed a dread lich
240452 | Zig:8    | Noticed a dread lich
240452 | Zig:8    | Noticed a dread lich
240452 | Zig:8    | Noticed an ancient lich
240452 | Zig:8    | Noticed a dread lich
240452 | Zig:8    | Noticed a dread lich
240452 | Zig:8    | Noticed an ancient lich
240452 | Zig:8    | Noticed an ancient lich
240452 | Zig:8    | Noticed an ancient lich
240452 | Zig:8    | Noticed a dread lich
240452 | Zig:8    | Noticed a dread lich
240452 | Zig:8    | Noticed a dread lich
240452 | Zig:8    | Noticed an ancient lich
240452 | Zig:8    | Noticed an ancient lich
240452 | Zig:8    | Noticed a dread lich
240452 | Zig:8    | Noticed a dread lich
240452 | Zig:8    | Noticed an ancient lich
240452 | Zig:8    | Noticed an ancient lich
240453 | Zig:8    | Killed a dread lich
240453 | Zig:8    | Killed a dread lich
240453 | Zig:8    | Killed an ancient lich
240453 | Zig:8    | Killed a dread lich
240453 | Zig:8    | Killed a dread lich
240453 | Zig:8    | Killed an ancient lich
240453 | Zig:8    | Killed an ancient lich
240454 | Zig:8    | Killed a dread lich
240454 | Zig:8    | Killed an ancient lich
240454 | Zig:8    | Killed a dread lich
240454 | Zig:8    | Killed an ancient lich
240454 | Zig:8    | Killed an ancient lich
240454 | Zig:8    | Killed a dread lich
240454 | Zig:8    | Killed an ancient lich
240454 | Zig:8    | Killed a dread lich
240454 | Zig:8    | Killed a dread lich
240454 | Zig:8    | Killed a dread lich
240454 | Zig:8    | Killed an ancient lich
240454 | Zig:8    | Killed a dread lich
240454 | Zig:8    | Noticed a dread lich
240454 | Zig:8    | Noticed an ancient lich
240455 | Zig:8    | Killed an ancient lich
240455 | Zig:8    | Killed a dread lich
240455 | Zig:8    | Killed an ancient lich
240455 | Zig:8    | Killed an ancient lich
240455 | Zig:8    | Noticed an ancient lich
240456 | Zig:8    | Noticed a dread lich
240457 | Zig:8    | Noticed an ancient lich
240457 | Zig:8    | Noticed a dread lich
240457 | Zig:8    | Noticed a dread lich
240458 | Zig:8    | Killed a dread lich
240458 | Zig:8    | Killed a dread lich
240458 | Zig:8    | Noticed a dread lich
240459 | Zig:8    | Noticed a dread lich
240459 | Zig:8    | Noticed a dread lich
240459 | Zig:8    | Noticed a dread lich
240460 | Zig:8    | Killed an ancient lich
240460 | Zig:8    | Killed a dread lich
240460 | Zig:8    | Killed a dread lich
240460 | Zig:8    | Killed a dread lich
240460 | Zig:8    | Killed an ancient lich
240460 | Zig:8    | Killed a dread lich
240460 | Zig:8    | Killed a dread lich
240461 | Zig:8    | Noticed a dread lich
240462 | Zig:8    | Killed a dread lich
240464 | Zig:8    | Killed a dread lich
240603 | Zig:8    | Identified the +5 trident "Qeytuxzi" {venom, rElec Int+3}
240649 | Zig:8    | Identified the amulet of Dawn {rPois Regen+ rCorr}
240674 | Zig:9    | Entered Level 9 of a ziggurat
240674 | Zig:9    | Noticed an orb of fire
240674 | Zig:9    | Noticed an orb of fire
240674 | Zig:9    | Noticed an orb of fire
240674 | Zig:9    | Noticed an orb of fire
240674 | Zig:9    | Noticed an orb of fire
240674 | Zig:9    | Noticed an orb of fire
240674 | Zig:9    | Noticed an orb of fire
240674 | Zig:9    | Noticed an orb of fire
240674 | Zig:9    | Noticed an orb of fire
240674 | Zig:9    | Noticed an orb of fire
240674 | Zig:9    | Noticed an orb of fire
240674 | Zig:9    | Noticed an orb of fire
240674 | Zig:9    | Noticed an orb of fire
240674 | Zig:9    | Noticed an orb of fire
240678 | Zig:9    | Killed an orb of fire
240678 | Zig:9    | Noticed an orb of fire
240678 | Zig:9    | Noticed an orb of fire
240678 | Zig:9    | Noticed an orb of fire
240678 | Zig:9    | Noticed an orb of fire
240679 | Zig:9    | Killed an orb of fire
240679 | Zig:9    | Killed an orb of fire
240679 | Zig:9    | Noticed an orb of fire
240679 | Zig:9    | Noticed an orb of fire
240680 | Zig:9    | Killed an orb of fire
240680 | Zig:9    | Killed an orb of fire
240680 | Zig:9    | Killed an orb of fire
240680 | Zig:9    | Killed an orb of fire
240680 | Zig:9    | Killed an orb of fire
240680 | Zig:9    | Noticed an orb of fire
240680 | Zig:9    | Noticed an orb of fire
240681 | Zig:9    | Killed an orb of fire
240681 | Zig:9    | Killed an orb of fire
240682 | Zig:9    | Killed an orb of fire
240682 | Zig:9    | Killed an orb of fire
240682 | Zig:9    | Noticed an orb of fire
240683 | Zig:9    | Killed an orb of fire
240683 | Zig:9    | Killed an orb of fire
240683 | Zig:9    | Killed an orb of fire
240683 | Zig:9    | Killed an orb of fire
240683 | Zig:9    | Noticed an orb of fire
240684 | Zig:9    | Killed an orb of fire
240684 | Zig:9    | Killed an orb of fire
240684 | Zig:9    | Killed an orb of fire
240685 | Zig:9    | Noticed an orb of fire
240686 | Zig:9    | Killed an orb of fire
240686 | Zig:9    | Killed an orb of fire
240686 | Zig:9    | Noticed an orb of fire
240686 | Zig:9    | Noticed an orb of fire
240687 | Zig:9    | Noticed an orb of fire
240688 | Zig:9    | Killed an orb of fire
240688 | Zig:9    | Noticed an orb of fire
240690 | Zig:9    | Noticed an orb of fire
240690 | Zig:9    | Noticed an orb of fire
240691 | Zig:9    | Killed an orb of fire
240691 | Zig:9    | Killed an orb of fire
240692 | Zig:9    | Killed an orb of fire
240692 | Zig:9    | Noticed an orb of fire
240693 | Zig:9    | Killed an orb of fire
240693 | Zig:9    | Killed an orb of fire
240693 | Zig:9    | Killed an orb of fire
240694 | Zig:9    | Killed an orb of fire
240694 | Zig:9    | Killed an orb of fire
240695 | Zig:9    | Noticed an orb of fire
240698 | Zig:9    | Killed an orb of fire
240704 | Zig:9    | Killed an orb of fire
240712 | Zig:9    | Killed an orb of fire
240893 | Zig:9    | Identified the staff "Widdulyb" {rN+ SInv Necro Air}
240895 | Zig:9    | Identified the ring of Lilacs {^Drain rPois Will+ rCorr
                  | AC+4}
240907 | Zig:9    | Identified the +10 great sword "Ehainled" {heavy, rPois rF+
                  | Str-3 Dex+2}
240909 | Zig:9    | Identified the +2 hat "Zemul" {rElec rPois Regen+ Stlth+}
240921 | Zig:10   | Entered Level 10 of a ziggurat
240921 | Zig:10   | Noticed a juggernaut
240921 | Zig:10   | Noticed a juggernaut
240921 | Zig:10   | Noticed a juggernaut
240921 | Zig:10   | Noticed a juggernaut
240923 | Zig:10   | Noticed a juggernaut
240925 | Zig:10   | Killed a juggernaut
240925 | Zig:10   | Killed a juggernaut
240925 | Zig:10   | Killed a juggernaut
240925 | Zig:10   | Killed a juggernaut
240926 | Zig:10   | Noticed a juggernaut
240926 | Zig:10   | Noticed a juggernaut
240926 | Zig:10   | Noticed a juggernaut
240926 | Zig:10   | Noticed a juggernaut
240928 | Zig:10   | Killed a juggernaut
240930 | Zig:10   | Noticed a juggernaut
240931 | Zig:10   | Killed a juggernaut
240931 | Zig:10   | Killed a juggernaut
240931 | Zig:10   | Killed a juggernaut
240931 | Zig:10   | Killed a juggernaut
240932 | Zig:10   | Noticed a juggernaut
240934 | Zig:10   | Killed a juggernaut
240937 | Zig:10   | Killed a juggernaut
240938 | Zig:10   | Identified the +4 chain mail "Hoejokigap" {Str+5}
241110 | Zig:10   | Identified the orb of Bikipn {mayhem, rElec rPois Dex-4}
241121 | Zig:10   | Identified the ring "Jibagaosk" {rF++ Slay+4}
241175 | Zig:10   | Identified the +8 halberd "Kiarchud" {speed, Str+5}
241176 | Zig:10   | Identified the ring "Coju" {Wiz Slay+2 Stlth+}
241197 | Zig:10   | Identified the ring of the Distant Future {Fly Str+2}
241217 | Zig:10   | Identified the +1 robe "Viyceane" {rC++ rN+ Archmagi}
241261 | Zig:11   | Entered Level 11 of a ziggurat
241303 | Zig:11   | Identified the amulet "Unguafil" {Acrobat rPois Int+3}
241341 | Zig:11   | Identified the +10 halberd of Honour {drain, Str+3}
241346 | Zig:11   | Identified the +7 dagger of the Eternal Warrior {flame,
                  | rElec rPois rC+++ Dex-3}
241350 | Zig:11   | Identified the ring "Pynnyl" {Str+3 SInv}
241617 | Zig:12   | Entered Level 12 of a ziggurat
241617 | Zig:12   | Noticed Hakkuaf the pandemonium lord
241617 | Zig:12   | Noticed Bockofyl the pandemonium lord
241617 | Zig:12   | Noticed Beitasom the pandemonium lord
241617 | Zig:12   | Noticed Quitt the pandemonium lord
241617 | Zig:12   | Noticed Ozeimoem the pandemonium lord
241617 | Zig:12   | Noticed Aneusk the pandemonium lord
241617 | Zig:12   | Noticed Qimusar the pandemonium lord
241617 | Zig:12   | Noticed Tagerekh the pandemonium lord
241617 | Zig:12   | Noticed Taog the pandemonium lord
241617 | Zig:12   | Noticed Xebbov the pandemonium lord
241617 | Zig:12   | Noticed Fiwkeq the pandemonium lord
241617 | Zig:12   | Noticed Xeudais the pandemonium lord
241617 | Zig:12   | Noticed Miuz the pandemonium lord
241617 | Zig:12   | Noticed Duvopp the pandemonium lord
241617 | Zig:12   | Noticed Pyxoetioru the pandemonium lord
241617 | Zig:12   | Noticed Itryado the pandemonium lord
241617 | Zig:12   | Noticed Tymetaru the pandemonium lord
241617 | Zig:12   | Noticed Rauny the pandemonium lord
241617 | Zig:12   | Noticed Quvul the pandemonium lord
241617 | Zig:12   | Noticed Xewokast the pandemonium lord
241617 | Zig:12   | Noticed Puosh the pandemonium lord
241617 | Zig:12   | Noticed Kezawk the pandemonium lord
241617 | Zig:12   | Noticed Zosaanin the pandemonium lord
241617 | Zig:12   | Noticed Geluawny the pandemonium lord
241617 | Zig:12   | Noticed Vugom the pandemonium lord
241617 | Zig:12   | Noticed Qilipiug the pandemonium lord
241617 | Zig:12   | Noticed Cistruw the pandemonium lord
241620 | Zig:12   | Noticed Ulodducu the pandemonium lord
241620 | Zig:12   | Killed Cistruw the pandemonium lord
241620 | Zig:12   | Killed Qilipiug the pandemonium lord
241620 | Zig:12   | Killed Itryado the pandemonium lord
241620 | Zig:12   | Killed Kezawk the pandemonium lord
241620 | Zig:12   | Killed Beitasom the pandemonium lord
241620 | Zig:12   | Noticed Qiampe Vagu the pandemonium lord
241621 | Zig:12   | Killed Duvopp the pandemonium lord
241621 | Zig:12   | Killed Rauny the pandemonium lord
241622 | Zig:12   | Killed Zosaanin the pandemonium lord
241622 | Zig:12   | Killed Xeudais the pandemonium lord
241622 | Zig:12   | Killed Qimusar the pandemonium lord
241622 | Zig:12   | Killed Qiampe Vagu the pandemonium lord
241622 | Zig:12   | Noticed Nadom the pandemonium lord
241622 | Zig:12   | Noticed Nimomuv the pandemonium lord
241622 | Zig:12   | Noticed Gomygelio the pandemonium lord
241623 | Zig:12   | Noticed Mataly the pandemonium lord
241623 | Zig:12   | Noticed Naunaq the pandemonium lord
241623 | Zig:12   | Noticed Cuis the pandemonium lord
241623 | Zig:12   | Killed Xewokast the pandemonium lord
241623 | Zig:12   | Killed Miuz the pandemonium lord
241623 | Zig:12   | Noticed Fiff the pandemonium lord
241624 | Zig:12   | Noticed Qalyp the pandemonium lord
241624 | Zig:12   | Noticed Onaabunk the pandemonium lord
241624 | Zig:12   | Killed Fiwkeq the pandemonium lord
241624 | Zig:12   | Killed Quvul the pandemonium lord
241624 | Zig:12   | Killed Bockofyl the pandemonium lord
241625 | Zig:12   | Killed Puosh the pandemonium lord
241625 | Zig:12   | Killed Taog the pandemonium lord
241625 | Zig:12   | Killed Geluawny the pandemonium lord
241625 | Zig:12   | Killed Tymetaru the pandemonium lord
241625 | Zig:12   | Killed Aneusk the pandemonium lord
241625 | Zig:12   | Killed Qalyp the pandemonium lord
241625 | Zig:12   | Killed Onaabunk the pandemonium lord
241625 | Zig:12   | Killed Nadom the pandemonium lord
241626 | Zig:12   | Killed Quitt the pandemonium lord
241626 | Zig:12   | Killed Xebbov the pandemonium lord
241626 | Zig:12   | Killed Fiff the pandemonium lord
241626 | Zig:12   | Noticed Qalo the pandemonium lord
241626 | Zig:12   | Noticed Nommun the pandemonium lord
241627 | Zig:12   | Killed Pyxoetioru the pandemonium lord
241627 | Zig:12   | Killed Gomygelio the pandemonium lord
241627 | Zig:12   | Killed Nimomuv the pandemonium lord
241627 | Zig:12   | Killed Ozeimoem the pandemonium lord
241627 | Zig:12   | Noticed Qeweludd the pandemonium lord
241628 | Zig:12   | Killed Nommun the pandemonium lord
241628 | Zig:12   | Noticed Esocwual the pandemonium lord
241628 | Zig:12   | Noticed Iklaagg the pandemonium lord
241628 | Zig:12   | Noticed Qiomunn the pandemonium lord
241630 | Zig:12   | Killed Mataly the pandemonium lord
241630 | Zig:12   | Noticed Egodaol the pandemonium lord
241630 | Zig:12   | Noticed Foilluto the pandemonium lord
241631 | Zig:12   | Killed Tagerekh the pandemonium lord
241631 | Zig:12   | Killed Qalo the pandemonium lord
241631 | Zig:12   | Killed Qeweludd the pandemonium lord
241631 | Zig:12   | Killed Qiomunn the pandemonium lord
241631 | Zig:12   | Noticed Yttig the pandemonium lord
241632 | Zig:12   | Noticed Dypnomo the pandemonium lord
241632 | Zig:12   | Noticed Qerafo the pandemonium lord
241632 | Zig:12   | Noticed Obykloci the pandemonium lord
241633 | Zig:12   | Killed Cuis the pandemonium lord
241633 | Zig:12   | Killed Yttig the pandemonium lord
241633 | Zig:12   | Noticed Valir the pandemonium lord
241633 | Zig:12   | Noticed Rocryon the pandemonium lord
241634 | Zig:12   | Killed Egodaol the pandemonium lord
241634 | Zig:12   | Killed Qerafo the pandemonium lord
241634 | Zig:12   | Noticed Paynuzo Emmo the pandemonium lord
241634 | Zig:12   | Noticed Caomifun the pandemonium lord
241634 | Zig:12   | Noticed Cup Hureno the pandemonium lord
241635 | Zig:12   | Killed Iklaagg the pandemonium lord
241635 | Zig:12   | Killed Dypnomo the pandemonium lord
241635 | Zig:12   | Killed Valir the pandemonium lord
241635 | Zig:12   | Noticed Siyss the pandemonium lord
241635 | Zig:12   | Noticed Peussaulokh the pandemonium lord
241636 | Zig:12   | Noticed Caenlusm the pandemonium lord
241636 | Zig:12   | Killed Obykloci the pandemonium lord
241636 | Zig:12   | Killed Caomifun the pandemonium lord
241636 | Zig:12   | Noticed Kavim Vea the pandemonium lord
241636 | Zig:12   | Noticed Aklitw Exzeh the pandemonium lord
241636 | Zig:12   | Noticed Gyneizut the pandemonium lord
241637 | Zig:12   | Killed Vugom the pandemonium lord
241637 | Zig:12   | Killed Foilluto the pandemonium lord
241637 | Zig:12   | Killed Naunaq the pandemonium lord
241637 | Zig:12   | Noticed Romut the pandemonium lord
241637 | Zig:12   | Noticed Zaewafu the pandemonium lord
241637 | Zig:12   | Noticed Tafawac the pandemonium lord
241638 | Zig:12   | Noticed Ynlaetz the pandemonium lord
241639 | Zig:12   | Killed Gyneizut the pandemonium lord
241639 | Zig:12   | Killed Aklitw Exzeh the pandemonium lord
241639 | Zig:12   | Killed Cup Hureno the pandemonium lord
241640 | Zig:12   | Noticed Efife the pandemonium lord
241641 | Zig:12   | Noticed Jomuos the pandemonium lord
241642 | Zig:12   | Noticed Qoabrien the pandemonium lord
241642 | Zig:12   | Noticed Norosem the pandemonium lord
241642 | Zig:12   | Noticed Belips the pandemonium lord
241646 | Zig:12   | Noticed Deipp the pandemonium lord
241647 | Zig:12   | Killed Esocwual the pandemonium lord
241647 | Zig:12   | Killed Kavim Vea the pandemonium lord
241647 | Zig:12   | Killed Paynuzo Emmo the pandemonium lord
241647 | Zig:12   | Killed Hakkuaf the pandemonium lord
241647 | Zig:12   | Killed Peussaulokh the pandemonium lord
241648 | Zig:12   | Killed Efife the pandemonium lord
241648 | Zig:12   | Killed Tafawac the pandemonium lord
241648 | Zig:12   | Killed Zaewafu the pandemonium lord
241648 | Zig:12   | Noticed Wite the pandemonium lord
241649 | Zig:12   | Killed Deipp the pandemonium lord
241649 | Zig:12   | Killed Ulodducu the pandemonium lord
241650 | Zig:12   | Killed Norosem the pandemonium lord
241651 | Zig:12   | Killed Romut the pandemonium lord
241651 | Zig:12   | Killed Caenlusm the pandemonium lord
241651 | Zig:12   | Killed Rocryon the pandemonium lord
241651 | Zig:12   | Killed Siyss the pandemonium lord
241651 | Zig:12   | Killed Qoabrien the pandemonium lord
241651 | Zig:12   | Killed Belips the pandemonium lord
241652 | Zig:12   | Noticed Guuv the pandemonium lord
241652 | Zig:12   | Noticed Asumuwk the pandemonium lord
241652 | Zig:12   | Noticed Igabaem the pandemonium lord
241653 | Zig:12   | Noticed Imezomoj the pandemonium lord
241654 | Zig:12   | Killed Igabaem the pandemonium lord
241655 | Zig:12   | Killed Jomuos the pandemonium lord
241655 | Zig:12   | Killed Guuv the pandemonium lord
241656 | Zig:12   | Killed Ynlaetz the pandemonium lord
241656 | Zig:12   | Killed Asumuwk the pandemonium lord
241658 | Zig:12   | Noticed Saesm the pandemonium lord
241659 | Zig:12   | Killed Wite the pandemonium lord
241664 | Zig:12   | Killed Imezomoj the pandemonium lord
241665 | Zig:12   | Killed Saesm the pandemonium lord
241903 | Zig:12   | Identified the ring of Qibboj {rN+ Int-5 Dex+4}
241907 | Zig:12   | Identified the scarf "Dumposs" {harm, rElec rC+ Int-2}
241908 | Zig:12   | Identified the +8 great sword of the Glowing Madman {speed,
                  | Str-4 Int+4 Dex+3}
241910 | Zig:12   | Identified the +0 halberd of Annoyance {spect, rF+ Will+
                  | Dex+3}
241911 | Zig:12   | Identified the +1 dagger "Zuhad" {freeze, rN+ MP+9}
241912 | Zig:12   | Identified the +1 arbalest "Paoz" {antimagic, ^Contam
                  | +Blink Int+5}
241940 | Zig:13   | Entered Level 13 of a ziggurat
241965 | Zig:13   | Identified the ring "Sosyasch" {rC+ Str-3 Dex+4}
242043 | Zig:13   | Identified the +1 quarterstaff "Imp's Peril" {elec, Fly
                  | rN+}
242053 | Zig:13   | Identified the +1 orcbow "Plog" {flame, rF+ rC+++ Int-3
                  | Stlth+}
242069 | Zig:13   | Identified the staff "Hutomar" {rC+ Dex-4 SInv Conj}
242088 | Zig:13   | Identified the +6 falchion of Sackukh {flame, *Noise rC+++
                  | Dex+2}
242341 | Zig:14   | Entered Level 14 of a ziggurat
242341 | Zig:14   | Noticed Daps the pandemonium lord
242341 | Zig:14   | Noticed Iritsyur the pandemonium lord
242341 | Zig:14   | Noticed Keblotou the pandemonium lord
242341 | Zig:14   | Noticed Rutzarcho the pandemonium lord
242341 | Zig:14   | Noticed Oraufeuk the pandemonium lord
242341 | Zig:14   | Noticed Inoapak the pandemonium lord
242341 | Zig:14   | Noticed Istruinai the pandemonium lord
242341 | Zig:14   | Noticed Lonymmy the pandemonium lord
242341 | Zig:14   | Noticed Arukkyk the pandemonium lord
242341 | Zig:14   | Noticed Vanan the pandemonium lord
242341 | Zig:14   | Noticed Ecittomn the pandemonium lord
242341 | Zig:14   | Noticed Meirouj the pandemonium lord
242341 | Zig:14   | Noticed Neqomoit the pandemonium lord
242341 | Zig:14   | Noticed Rahe the pandemonium lord
242341 | Zig:14   | Noticed Seris the pandemonium lord
242341 | Zig:14   | Noticed Erhery the pandemonium lord
242341 | Zig:14   | Noticed Wyngiuki the pandemonium lord
242341 | Zig:14   | Noticed Xumirgha the pandemonium lord
242341 | Zig:14   | Noticed Xismyodd the pandemonium lord
242341 | Zig:14   | Noticed Ownerphi the pandemonium lord
242341 | Zig:14   | Noticed Wudghelyi the pandemonium lord
242341 | Zig:14   | Noticed Cosegasure the pandemonium lord
242341 | Zig:14   | Noticed Araed the pandemonium lord
242341 | Zig:14   | Noticed Heebbusk the pandemonium lord
242341 | Zig:14   | Noticed Teloteupn the pandemonium lord
242341 | Zig:14   | Noticed Hexkuvu the pandemonium lord
242341 | Zig:14   | Noticed Asizeol the pandemonium lord
242341 | Zig:14   | Noticed Zabralat the pandemonium lord
242341 | Zig:14   | Noticed Yzankyak the pandemonium lord
242341 | Zig:14   | Noticed Ziqat the pandemonium lord
242341 | Zig:14   | Noticed Nephourchul the pandemonium lord
242341 | Zig:14   | Noticed Pyesexon the pandemonium lord
242341 | Zig:14   | Noticed Raebef the pandemonium lord
242341 | Zig:14   | Noticed Jon Iss the pandemonium lord
242343 | Zig:14   | Killed Zabralat the pandemonium lord
242343 | Zig:14   | Killed Asizeol the pandemonium lord
242343 | Zig:14   | Killed Araed the pandemonium lord
242343 | Zig:14   | Killed Istruinai the pandemonium lord
242343 | Zig:14   | Killed Ownerphi the pandemonium lord
242345 | Zig:14   | Killed Raebef the pandemonium lord
242346 | Zig:14   | Killed Neqomoit the pandemonium lord
242346 | Zig:14   | Killed Arukkyk the pandemonium lord
242346 | Zig:14   | Killed Lonymmy the pandemonium lord
242346 | Zig:14   | Noticed Hiadiun the pandemonium lord
242346 | Zig:14   | Noticed Kionwi the pandemonium lord
242347 | Zig:14   | Noticed Tyalin the pandemonium lord
242348 | Zig:14   | Noticed Dithacor the pandemonium lord
242348 | Zig:14   | Killed Heebbusk the pandemonium lord
242348 | Zig:14   | Killed Cosegasure the pandemonium lord
242348 | Zig:14   | Killed Jon Iss the pandemonium lord
242348 | Zig:14   | Killed Rutzarcho the pandemonium lord
242348 | Zig:14   | Noticed Zaiclool the pandemonium lord
242349 | Zig:14   | Noticed Esiek the pandemonium lord
242349 | Zig:14   | Killed Seris the pandemonium lord
242349 | Zig:14   | Killed Erhery the pandemonium lord
242349 | Zig:14   | Killed Kionwi the pandemonium lord
242349 | Zig:14   | Killed Hiadiun the pandemonium lord
242350 | Zig:14   | Noticed Irchisio the pandemonium lord
242350 | Zig:14   | Killed Pyesexon the pandemonium lord
242350 | Zig:14   | Killed Nephourchul the pandemonium lord
242350 | Zig:14   | Killed Xumirgha the pandemonium lord
242350 | Zig:14   | Killed Oraufeuk the pandemonium lord
242350 | Zig:14   | Killed Meirouj the pandemonium lord
242350 | Zig:14   | Killed Ecittomn the pandemonium lord
242351 | Zig:14   | Killed Wyngiuki the pandemonium lord
242351 | Zig:14   | Killed Daps the pandemonium lord
242351 | Zig:14   | Noticed Tyefocw the pandemonium lord
242351 | Zig:14   | Noticed Syrchanir the pandemonium lord
242352 | Zig:14   | Killed Teloteupn the pandemonium lord
242352 | Zig:14   | Killed Rahe the pandemonium lord
242352 | Zig:14   | Killed Irchisio the pandemonium lord
242352 | Zig:14   | Killed Vanan the pandemonium lord
242352 | Zig:14   | Killed Keblotou the pandemonium lord
242352 | Zig:14   | Noticed Vyextese the pandemonium lord
242352 | Zig:14   | Noticed Saxt the pandemonium lord
242353 | Zig:14   | Killed Zaiclool the pandemonium lord
242353 | Zig:14   | Noticed Rony the pandemonium lord
242353 | Zig:14   | Noticed Vetsaomi the pandemonium lord
242354 | Zig:14   | Noticed Zery the pandemonium lord
242355 | Zig:14   | Killed Iritsyur the pandemonium lord
242355 | Zig:14   | Killed Saxt the pandemonium lord
242356 | Zig:14   | Noticed Juakhoq the pandemonium lord
242356 | Zig:14   | Noticed Koazeasang the pandemonium lord
242356 | Zig:14   | Noticed Cozydd the pandemonium lord
242356 | Zig:14   | Noticed Ogi Rumm the pandemonium lord
242356 | Zig:14   | Noticed Jeirotze the pandemonium lord
242356 | Zig:14   | Noticed Sukh the pandemonium lord
242357 | Zig:14   | Noticed Elaag the pandemonium lord
242357 | Zig:14   | Killed Hexkuvu the pandemonium lord
242357 | Zig:14   | Killed Rony the pandemonium lord
242357 | Zig:14   | Killed Esiek the pandemonium lord
242357 | Zig:14   | Killed Inoapak the pandemonium lord
242357 | Zig:14   | Killed Ziqat the pandemonium lord
242357 | Zig:14   | Killed Zery the pandemonium lord
242357 | Zig:14   | Noticed Xaozov the pandemonium lord
242357 | Zig:14   | Noticed Yrheegh the pandemonium lord
242357 | Zig:14   | Noticed Reiseu the pandemonium lord
242358 | Zig:14   | Noticed Tew Xoih the pandemonium lord
242358 | Zig:14   | Killed Tyefocw the pandemonium lord
242358 | Zig:14   | Killed Sukh the pandemonium lord
242358 | Zig:14   | Killed Tyalin the pandemonium lord
242359 | Zig:14   | Killed Jeirotze the pandemonium lord
242359 | Zig:14   | Killed Vyextese the pandemonium lord
242359 | Zig:14   | Killed Elaag the pandemonium lord
242359 | Zig:14   | Killed Tew Xoih the pandemonium lord
242359 | Zig:14   | Noticed Meuwaifu the pandemonium lord
242359 | Zig:14   | Noticed Sedenk the pandemonium lord
242359 | Zig:14   | Noticed Nouthira the pandemonium lord
242360 | Zig:14   | Killed Yrheegh the pandemonium lord
242360 | Zig:14   | Killed Vetsaomi the pandemonium lord
242360 | Zig:14   | Killed Reiseu the pandemonium lord
242360 | Zig:14   | Noticed Luakar the pandemonium lord
242361 | Zig:14   | Killed Wudghelyi the pandemonium lord
242361 | Zig:14   | Noticed Fuxubim the pandemonium lord
242361 | Zig:14   | Noticed Ruolour the pandemonium lord
242361 | Zig:14   | Noticed Jytid the pandemonium lord
242361 | Zig:14   | Noticed Ydisidomm the pandemonium lord
242361 | Zig:14   | Noticed Olonaul the pandemonium lord
242361 | Zig:14   | Noticed Mocegox the pandemonium lord
242361 | Zig:14   | Noticed Atonevo the pandemonium lord
242362 | Zig:14   | Noticed Ycacsyku the pandemonium lord
242363 | Zig:14   | Noticed Viaricets the pandemonium lord
242363 | Zig:14   | Noticed Rorum the pandemonium lord
242365 | Zig:14   | Noticed Xiukeib the pandemonium lord
242365 | Zig:14   | Noticed Voasch the pandemonium lord
242366 | Zig:14   | Killed Syrchanir the pandemonium lord
242366 | Zig:14   | Killed Yzankyak the pandemonium lord
242366 | Zig:14   | Killed Cozydd the pandemonium lord
242366 | Zig:14   | Killed Nouthira the pandemonium lord
242367 | Zig:14   | Killed Xiukeib the pandemonium lord
242367 | Zig:14   | Killed Juakhoq the pandemonium lord
242369 | Zig:14   | Killed Olonaul the pandemonium lord
242370 | Zig:14   | Killed Viaricets the pandemonium lord
242371 | Zig:14   | Killed Ycacsyku the pandemonium lord
242371 | Zig:14   | Killed Voasch the pandemonium lord
242371 | Zig:14   | Killed Ruolour the pandemonium lord
242371 | Zig:14   | Killed Xismyodd the pandemonium lord
242372 | Zig:14   | Killed Jytid the pandemonium lord
242372 | Zig:14   | Killed Sedenk the pandemonium lord
242372 | Zig:14   | Killed Mocegox the pandemonium lord
242372 | Zig:14   | Noticed Saloc the pandemonium lord
242373 | Zig:14   | Killed Koazeasang the pandemonium lord
242373 | Zig:14   | Killed Dithacor the pandemonium lord
242373 | Zig:14   | Killed Meuwaifu the pandemonium lord
242373 | Zig:14   | Killed Ogi Rumm the pandemonium lord
242373 | Zig:14   | Killed Luakar the pandemonium lord
242373 | Zig:14   | Killed Fuxubim the pandemonium lord
242375 | Zig:14   | Killed Xaozov the pandemonium lord
242375 | Zig:14   | Killed Rorum the pandemonium lord
242375 | Zig:14   | Killed Atonevo the pandemonium lord
242376 | Zig:14   | Killed Saloc the pandemonium lord
242376 | Zig:14   | Killed Ydisidomm the pandemonium lord
242377 | Zig:14   | Noticed Viym the pandemonium lord
242378 | Zig:14   | Noticed Uweruk the pandemonium lord
242378 | Zig:14   | Noticed Piogou the pandemonium lord
242379 | Zig:14   | Noticed Moqaefi the pandemonium lord
242379 | Zig:14   | Noticed Nahoil the pandemonium lord
242379 | Zig:14   | Noticed Kiockax the pandemonium lord
242379 | Zig:14   | Noticed Ryjain the pandemonium lord
242383 | Zig:14   | Noticed Ropn the pandemonium lord
242386 | Zig:14   | Noticed Yskeusio the pandemonium lord
242389 | Zig:14   | Killed Viym the pandemonium lord
242391 | Zig:14   | Noticed Maano the pandemonium lord
242391 | Zig:14   | Noticed Boroyggo the pandemonium lord
242392 | Zig:14   | Killed Yskeusio the pandemonium lord
242392 | Zig:14   | Killed Piogou the pandemonium lord
242392 | Zig:14   | Killed Uweruk the pandemonium lord
242392 | Zig:14   | Killed Boroyggo the pandemonium lord
242393 | Zig:14   | Noticed Giur the pandemonium lord
242393 | Zig:14   | Killed Kiockax the pandemonium lord
242394 | Zig:14   | Killed Ropn the pandemonium lord
242394 | Zig:14   | Noticed Raemamar the pandemonium lord
242394 | Zig:14   | Noticed Dyewiz the pandemonium lord
242394 | Zig:14   | Noticed Teitaq the pandemonium lord
242394 | Zig:14   | Noticed Myleolis the pandemonium lord
242395 | Zig:14   | Killed Nahoil the pandemonium lord
242397 | Zig:14   | Killed Maano the pandemonium lord
242397 | Zig:14   | Killed Ryjain the pandemonium lord
242397 | Zig:14   | Killed Giur the pandemonium lord
242398 | Zig:14   | Noticed Lyhed the pandemonium lord
242398 | Zig:14   | Killed Raemamar the pandemonium lord
242398 | Zig:14   | Killed Teitaq the pandemonium lord
242399 | Zig:14   | Killed Moqaefi the pandemonium lord
242399 | Zig:14   | Killed Myleolis the pandemonium lord
242400 | Zig:14   | Killed Lyhed the pandemonium lord
242400 | Zig:14   | Killed Dyewiz the pandemonium lord
242637 | Zig:14   | Identified the ring of the Thistle {rPois rC++ rCorr Int-4
                  | Dex+2}
242640 | Zig:14   | Identified the +4 quarterstaff "Bynkeirr" {holy, *Slow
                  | rElec Str-3 Dex+4}
242689 | Zig:15   | Entered Level 15 of a ziggurat
242689 | Zig:15   | Noticed a dread lich
242689 | Zig:15   | Noticed a dread lich
242689 | Zig:15   | Noticed a dread lich
242689 | Zig:15   | Noticed a dread lich
242689 | Zig:15   | Noticed a dread lich
242689 | Zig:15   | Noticed a dread lich
242689 | Zig:15   | Noticed a dread lich
242689 | Zig:15   | Noticed a dread lich
242689 | Zig:15   | Noticed a dread lich
242689 | Zig:15   | Noticed an ancient lich
242689 | Zig:15   | Noticed a dread lich
242689 | Zig:15   | Noticed an ancient lich
242689 | Zig:15   | Noticed a dread lich
242689 | Zig:15   | Noticed an ancient lich
242689 | Zig:15   | Noticed a dread lich
242689 | Zig:15   | Noticed an ancient lich
242689 | Zig:15   | Noticed a dread lich
242689 | Zig:15   | Noticed a dread lich
242690 | Zig:15   | Killed a dread lich
242690 | Zig:15   | Killed a dread lich
242690 | Zig:15   | Killed an ancient lich
242690 | Zig:15   | Killed a dread lich
242691 | Zig:15   | Killed a dread lich
242691 | Zig:15   | Killed a dread lich
242691 | Zig:15   | Killed an ancient lich
242691 | Zig:15   | Killed an ancient lich
242691 | Zig:15   | Killed a dread lich
242691 | Zig:15   | Killed an ancient lich
242691 | Zig:15   | Killed a dread lich
242691 | Zig:15   | Killed a dread lich
242691 | Zig:15   | Killed a dread lich
242691 | Zig:15   | Killed a dread lich
242691 | Zig:15   | Killed a dread lich
242691 | Zig:15   | Killed a dread lich
242691 | Zig:15   | Noticed an ancient lich
242692 | Zig:15   | Noticed an ancient lich
242692 | Zig:15   | Noticed a dread lich
242692 | Zig:15   | Noticed a dread lich
242692 | Zig:15   | Noticed an ancient lich
242693 | Zig:15   | Noticed an ancient lich
242693 | Zig:15   | Killed a dread lich
242693 | Zig:15   | Killed an ancient lich
242693 | Zig:15   | Killed an ancient lich
242693 | Zig:15   | Killed a dread lich
242694 | Zig:15   | Noticed an ancient lich
242694 | Zig:15   | Noticed a dread lich
242694 | Zig:15   | Noticed a dread lich
242694 | Zig:15   | Noticed a dread lich
242695 | Zig:15   | Noticed an ancient lich
242695 | Zig:15   | Killed an ancient lich
242695 | Zig:15   | Killed a dread lich
242695 | Zig:15   | Killed an ancient lich
242695 | Zig:15   | Noticed a dread lich
242696 | Zig:15   | Noticed an ancient lich
242696 | Zig:15   | Noticed a dread lich
242696 | Zig:15   | Noticed an ancient lich
242696 | Zig:15   | Noticed an ancient lich
242696 | Zig:15   | Noticed an ancient lich
242697 | Zig:15   | Noticed an ancient lich
242697 | Zig:15   | Noticed a dread lich
242697 | Zig:15   | Noticed a dread lich
242697 | Zig:15   | Killed a dread lich
242698 | Zig:15   | Noticed an ancient lich
242698 | Zig:15   | Noticed a dread lich
242698 | Zig:15   | Noticed a dread lich
242698 | Zig:15   | Noticed a dread lich
242699 | Zig:15   | Noticed an ancient lich
242699 | Zig:15   | Noticed an ancient lich
242699 | Zig:15   | Killed a dread lich
242699 | Zig:15   | Killed a dread lich
242699 | Zig:15   | Killed an ancient lich
242699 | Zig:15   | Killed a dread lich
242699 | Zig:15   | Killed a dread lich
242699 | Zig:15   | Killed a dread lich
242699 | Zig:15   | Killed a dread lich
242699 | Zig:15   | Killed an ancient lich
242699 | Zig:15   | Killed a dread lich
242699 | Zig:15   | Killed a dread lich
242699 | Zig:15   | Killed an ancient lich
242699 | Zig:15   | Killed an ancient lich
242699 | Zig:15   | Killed a dread lich
242700 | Zig:15   | Noticed a dread lich
242700 | Zig:15   | Noticed an ancient lich
242700 | Zig:15   | Noticed a dread lich
242700 | Zig:15   | Noticed a dread lich
242701 | Zig:15   | Noticed a dread lich
242701 | Zig:15   | Noticed an ancient lich
242701 | Zig:15   | Killed an ancient lich
242701 | Zig:15   | Killed an ancient lich
242701 | Zig:15   | Killed an ancient lich
242701 | Zig:15   | Killed a dread lich
242701 | Zig:15   | Killed an ancient lich
242701 | Zig:15   | Killed an ancient lich
242701 | Zig:15   | Killed a dread lich
242701 | Zig:15   | Killed a dread lich
242701 | Zig:15   | Noticed a dread lich
242702 | Zig:15   | Noticed a dread lich
242702 | Zig:15   | Noticed a dread lich
242703 | Zig:15   | Killed an ancient lich
242703 | Zig:15   | Killed an ancient lich
242703 | Zig:15   | Killed an ancient lich
242703 | Zig:15   | Killed a dread lich
242703 | Zig:15   | Killed a dread lich
242703 | Zig:15   | Killed a dread lich
242703 | Zig:15   | Noticed an ancient lich
242704 | Zig:15   | Noticed a dread lich
242704 | Zig:15   | Noticed a dread lich
242705 | Zig:15   | Killed a dread lich
242705 | Zig:15   | Killed a dread lich
242705 | Zig:15   | Killed an ancient lich
242705 | Zig:15   | Killed a dread lich
242706 | Zig:15   | Noticed a dread lich
242706 | Zig:15   | Noticed a dread lich
242706 | Zig:15   | Noticed a dread lich
242707 | Zig:15   | Killed a dread lich
242707 | Zig:15   | Killed a dread lich
242710 | Zig:15   | Killed a dread lich
242710 | Zig:15   | Killed a dread lich
242758 | Zig:15   | Identified the staff "Mut Vyicunn" {rN+ Int+2 Necro}
242759 | Zig:15   | Identified the staff "Vagit" {rElec rF+ Int-5 SInv Hexes
                  | Fire}
242823 | Zig:15   | Identified the +3 battleaxe of Wyrd {pain, ^Contam rC++
                  | Int+2 Dex-4}
243096 | Zig:16   | Entered Level 16 of a ziggurat
243421 | Zig:16   | Identified the +8 dagger of the Howling Fool {heavy, rPois
                  | rC- Int+3}
243502 | Zig:16   | Identified the +2 fire dragon scales "Wuixkaph" {Rampage
                  | rElec rF++ rC- Regen+ Slay-3}
243506 | Zig:16   | Identified the staff of World Downfall {rC+ Will+ Str+4
                  | Conj}
243550 | Zig:17   | Entered Level 17 of a ziggurat
243550 | Zig:17   | Noticed a dread lich
243551 | Zig:17   | Killed a dread lich
243555 | Zig:17   | Noticed a dread lich
243555 | Zig:17   | Noticed an ancient lich
243556 | Zig:17   | Killed an ancient lich
243557 | Zig:17   | Killed a dread lich
243573 | Zig:17   | Noticed a dread lich
243581 | Zig:17   | Killed a dread lich
243932 | Zig:17   | Identified the ring "Sibbicwe" {Will+++ Int+2 Dex-4 SInv}
243934 | Zig:17   | Identified the +1 rapier of Imuy {holy, rElec Int+2 Stlth+}
243935 | Zig:17   | Identified the +15 plate armour of the Evening {Int+3}
243936 | Zig:17   | Identified the +0 quick blade "Efiodiox" {elec, rC+ Int+3}
243937 | Zig:17   | Identified the amulet "Seedaik" {Spirit -Cast Will++ Str+3
                  | Dex+3}
243957 | Zig:17   | Identified the +6 orcbow "Huyxom" {elec, Fly rN+}
243960 | Zig:17   | Identified the ring "Melenekuga" {rPois rCorr Str+4}
244002 | Zig:18   | Entered Level 18 of a ziggurat
244002 | Zig:18   | Noticed an ancient lich
244002 | Zig:18   | Noticed an ancient lich
244002 | Zig:18   | Noticed a dread lich
244002 | Zig:18   | Noticed a dread lich
244002 | Zig:18   | Noticed an ancient lich
244002 | Zig:18   | Noticed an ancient lich
244002 | Zig:18   | Noticed an ancient lich
244002 | Zig:18   | Noticed an ancient lich
244002 | Zig:18   | Noticed an ancient lich
244002 | Zig:18   | Noticed an ancient lich
244003 | Zig:18   | Killed a dread lich
244003 | Zig:18   | Killed an ancient lich
244003 | Zig:18   | Killed an ancient lich
244004 | Zig:18   | Killed an ancient lich
244004 | Zig:18   | Killed an ancient lich
244004 | Zig:18   | Killed an ancient lich
244004 | Zig:18   | Killed an ancient lich
244004 | Zig:18   | Killed an ancient lich
244004 | Zig:18   | Killed an ancient lich
244004 | Zig:18   | Killed a dread lich
244005 | Zig:18   | Noticed an ancient lich
244005 | Zig:18   | Noticed a dread lich
244005 | Zig:18   | Noticed an ancient lich
244005 | Zig:18   | Noticed an ancient lich
244005 | Zig:18   | Noticed an ancient lich
244005 | Zig:18   | Noticed an ancient lich
244006 | Zig:18   | Noticed a dread lich
244006 | Zig:18   | Noticed an ancient lich
244007 | Zig:18   | Noticed a dread lich
244007 | Zig:18   | Killed an ancient lich
244007 | Zig:18   | Killed a dread lich
244007 | Zig:18   | Killed an ancient lich
244007 | Zig:18   | Killed a dread lich
244008 | Zig:18   | Noticed an ancient lich
244008 | Zig:18   | Noticed a dread lich
244008 | Zig:18   | Noticed an ancient lich
244008 | Zig:18   | Killed an ancient lich
244009 | Zig:18   | Killed an ancient lich
244009 | Zig:18   | Killed a dread lich
244009 | Zig:18   | Killed an ancient lich
244009 | Zig:18   | Killed an ancient lich
244009 | Zig:18   | Noticed an ancient lich
244009 | Zig:18   | Noticed a dread lich
244010 | Zig:18   | Noticed a dread lich
244010 | Zig:18   | Noticed an ancient lich
244010 | Zig:18   | Noticed a dread lich
244010 | Zig:18   | Noticed an ancient lich
244010 | Zig:18   | Noticed a dread lich
244010 | Zig:18   | Killed an ancient lich
244011 | Zig:18   | Noticed an ancient lich
244011 | Zig:18   | Killed a dread lich
244011 | Zig:18   | Killed an ancient lich
244011 | Zig:18   | Killed an ancient lich
244011 | Zig:18   | Killed a dread lich
244012 | Zig:18   | Noticed a dread lich
244012 | Zig:18   | Noticed a dread lich
244012 | Zig:18   | Noticed a dread lich
244012 | Zig:18   | Noticed a dread lich
244012 | Zig:18   | Noticed a dread lich
244012 | Zig:18   | Noticed a dread lich
244012 | Zig:18   | Noticed a dread lich
244013 | Zig:18   | Killed a dread lich
244013 | Zig:18   | Killed an ancient lich
244013 | Zig:18   | Killed a dread lich
244013 | Zig:18   | Killed a dread lich
244013 | Zig:18   | Killed an ancient lich
244013 | Zig:18   | Killed an ancient lich
244013 | Zig:18   | Killed a dread lich
244013 | Zig:18   | Killed a dread lich
244013 | Zig:18   | Killed a dread lich
244013 | Zig:18   | Killed a dread lich
244014 | Zig:18   | Noticed a dread lich
244015 | Zig:18   | Killed a dread lich
244016 | Zig:18   | Noticed a dread lich
244016 | Zig:18   | Noticed a dread lich
244017 | Zig:18   | Killed a dread lich
244017 | Zig:18   | Killed a dread lich
244017 | Zig:18   | Killed a dread lich
244017 | Zig:18   | Killed a dread lich
244017 | Zig:18   | Noticed a dread lich
244018 | Zig:18   | Noticed a dread lich
244018 | Zig:18   | Noticed a dread lich
244019 | Zig:18   | Noticed a dread lich
244019 | Zig:18   | Killed a dread lich
244020 | Zig:18   | Noticed a dread lich
244020 | Zig:18   | Noticed an ancient lich
244021 | Zig:18   | Killed a dread lich
244021 | Zig:18   | Killed a dread lich
244021 | Zig:18   | Killed a dread lich
244021 | Zig:18   | Killed a dread lich
244022 | Zig:18   | Noticed a dread lich
244022 | Zig:18   | Noticed an ancient lich
244023 | Zig:18   | Killed a dread lich
244023 | Zig:18   | Killed an ancient lich
244023 | Zig:18   | Killed a dread lich
244026 | Zig:18   | Killed an ancient lich
244377 | Zig:18   | Identified the staff of Valour {rC+ Dex+4 Ice}
244379 | Zig:18   | Identified the +10 arbalest of Death's Door {freeze,
                  | ^Contam rN++ Dex+2}
244387 | Zig:18   | Identified the +1 chain mail of Xutiat {rPois rF- Str+2}
244407 | Zig:18   | Identified the +2 shortbow of Karesat {flame, rElec Str+2
                  | Dex-3 SInv}
244471 | Zig:19   | Entered Level 19 of a ziggurat
244478 | Zig:19   | Paralysed by an air elemental for 1 turns
244517 | Zig:19   | Identified the ring "Ywozit" {Wiz *Corrode +Blink rF-
                  | Will+++}
244521 | Zig:19   | Identified the +1 plate armour of the Taurataur {+Inv
                  | Int+4}
244529 | Zig:19   | Identified the ring "Ulibref" {rPois rC+ rN+ Dex+4 Slay+3}
244531 | Zig:19   | Identified the +2 ring mail of Sharp Joy {Dex+7}
244534 | Zig:19   | Identified the staff of Responsibility {rElec Dex+3 Conj}
244544 | Zig:19   | Identified the +1 cloak of Leapfrog {rN+ Will+ Str+3
                  | Stlth+}
244550 | Zig:19   | Identified the ring "Nuattiess" {Will+ MP+9 AC+4}
244554 | Zig:19   | Identified the +0 pair of gloves of the Pink Corner {Harm
                  | rF- MP+9 Str+3}
244556 | Zig:19   | Identified the amulet of Pride {Acrobat Rampage}
244569 | Zig:19   | Identified the +9 short sword "Hiahaqie" {venom, rPois}
244581 | Zig:19   | Identified the +3 hand axe of Dishonour {drain, +Blink rF-
                  | Dex+5 SInv}
244620 | Zig:19   | Identified the +4 falchion "Ducwali" {speed, Dex+3}
244965 | Zig:19   | Identified the +6 battleaxe "Mokhesm" {distort, Dex+3
                  | Stlth+}
244999 | Zig:20   | Entered Level 20 of a ziggurat
245022 | Zig:20   | Noticed Pyelash the pandemonium lord
245030 | Zig:20   | Killed Pyelash the pandemonium lord
245435 | Zig:20   | Identified the ring "Caczog" {rF- rCorr Str+6 Int+6}
245502 | Zig:20   | Identified the amulet of the Genius {Acrobat rF+ rN+}
245503 | Zig:20   | Identified the +2 robe "Saryv" {SInv}
245507 | Zig:20   | Identified the ring of Dajepoe {rPois Slay+3}
245510 | Zig:20   | Identified the ring "Bioch" {Fly Will++}
245513 | Zig:20   | Identified the +8 plate armour "Wycloenk" {Will+ Int+9
                  | Dex-3 Slay+3}
245517 | Zig:20   | Identified the +0 plate armour of the Elven Halls {Rampage
                  | Slay+5}
245523 | Zig:20   | Identified the +3 plate armour of Subjectivity {+Blink
                  | Slay-2 Stlth+}
245544 | Zig:20   | Identified the +0 chain mail "Jaih" {Int+3}
245552 | Zig:20   | Identified the +2 robe of the Sunfish {MP+9}
245632 | Zig:21   | Entered Level 21 of a ziggurat
245745 | Zig:21   | Identified the ring "Xigiaduo" {rF+ rCorr Dex+5}
245750 | Zig:21   | Identified the ring of the Winnowing King {Fire rPois
                  | Will+}
245752 | Zig:21   | Identified the ring of Weptixt {Dex+3 Slay+4}
245768 | Zig:21   | Identified the +2 orcbow "Biruwn" {flame, ^Fragile rElec
                  | Dex+3}
245779 | Zig:21   | Identified the +5 hand axe of Hubris {elec, rC+ rN++ Dex-2}
245784 | Zig:21   | Identified the ring "Sopaic" {Dex+3 Slay+4}
245795 | Zig:21   | Identified the +6 plate armour of the Postmodern Planets
                  | {rC+ rN+ rCorr Stlth-}
245799 | Zig:21   | Identified the +5 flail of Loeq {pain, rC+ Int+3 Dex+3}
246118 | Zig:21   | Identified the death talisman of the Lizard {rCorr Int+8
                  | Dex+4 Slay-4}
246151 | Zig:21   | Identified the +6 halberd of Tension {speed, Str+2 Dex+3}
246154 | Zig:21   | Identified the +6 broad axe of Desperation {flame, Str+6}
246214 | Zig:22   | Entered Level 22 of a ziggurat
246251 | Zig:22   | Identified the staff of Doors {rF+ Str+7 Conj}
246679 | Zig:22   | Identified the +1 leather armour of Igalirot {rC+ Will+
                  | Regen+ Str-3 SInv}
246687 | Zig:22   | Identified the +2 leather armour of the Cartwright {Regen+}
246691 | Zig:22   | Identified the +1 arbalest "Avekisar" {penet, rN+ Str+3
                  | Dex-2}
246701 | Zig:22   | Identified the +1 trident "Bummaidgh" {flame, Int-5 Dex+4}
246739 | Zig:22   | Identified the ring "Purhirin" {rN+ Int+4}
246782 | Zig:22   | Identified the +6 executioner's axe "Vocwur" {holy, rF- rN+
                  | Str+2 Dex+6}
246816 | Zig:22   | Identified the +6 hand axe of Qilluh {freeze, rC- rCorr
                  | Str-5 Int+8}
246817 | Zig:22   | Identified the +7 longbow "Fofuimm" {freeze, rElec rC+ rN+
                  | Will- Str+3}
246923 | Zig:23   | Entered Level 23 of a ziggurat
246927 | Zig:23   | Paralysed by an air elemental for 1 turns
246941 | Zig:23   | Paralysed by an air elemental for 1 turns
247019 | Zig:23   | Identified the +0 ring mail of the Morning Star {Harm *Slow
                  | Int+2}
247037 | Zig:23   | Identified the +2 halberd "Leufog" {freeze, *Corrode Fly
                  | rPois rN+}
247118 | Zig:23   | Identified the +5 morningstar of Nalugi {freeze, rElec rC++
                  | Will- rCorr}
247549 | Zig:23   | Identified the +5 chain mail "Ymebep" {rElec Dex+4}
247580 | Zig:24   | Entered Level 24 of a ziggurat
248032 | Zig:24   | Identified the staff of Duisch {Fly rF+ Str+3 Fire}
248037 | Zig:24   | Identified the staff "Afra" {Conj Alchemy}
248047 | Zig:24   | Identified the +6 spear of Ackeuca {spect, rN+ SInv Stlth-}
248050 | Zig:24   | Identified the staff of the Blowfly {^Fragile +Blink Fly
                  | rC+ Will++ Ice}
248071 | Zig:24   | Identified the +1 chain mail "Qicin" {rCorr Int+3}
248072 | Zig:24   | Identified the amulet "Selunusi" {Spirit Harm Dex+3}
248081 | Zig:24   | Identified the +7 falchion of Ydau {venom, rPois rCorr}
248112 | Zig:24   | Identified the ring "Iwocacke" {Fire Str+3 Int+5}
248182 | Zig:25   | Entered Level 25 of a ziggurat
248217 | Zig:25   | Identified the +2 shortbow "Dragon's Tongue" {speed, rC++}
248276 | Zig:25   | Identified the amulet "Mejuuc" {Faith rF+++ MP+9 Int+4
                  | Dex-4}
248290 | Zig:25   | Identified the +0 war axe of Rotation {venom, rC+ rN+ Str+7
                  | Int-5}
248303 | Zig:25   | Identified the +9 battleaxe "Jokefrod" {flame, Dex+3}
248324 | Zig:25   | Identified the staff of the Spheres {rPois Str+6 Dex-2
                  | Alchemy}
248336 | Zig:25   | Identified the +3 glaive of Vutwokat {flame, rF- rCorr
                  | Dex+4}
248347 | Zig:25   | Identified the +1 plate armour of Durable Miracles {rPois}
248394 | Zig:25   | Identified the ring "Qihe" {Wiz rPois Will- Dex+4 SInv}
248407 | Zig:25   | Identified the +10 battleaxe of Otris {antimagic, rPois
                  | rN++ Dex+3 Stlth-}
248409 | Zig:25   | Identified the ring "Fighiw" {EV+5 SInv}
248414 | Zig:25   | Identified the +8 quarterstaff "Ejierez" {pain, Fly rF+++
                  | Will+ Int+2}
248715 | Zig:25   | Identified the ring "Degizi" {MP+9 Dex+7}
248729 | Zig:25   | Identified the +1 mace of Wyrd {holy, rC+}
248980 | Zig:26   | Entered Level 26 of a ziggurat
249565 | Zig:26   | Identified the +3 long sword of Action {venom, Str+2}
249568 | Zig:26   | Identified the +5 flail "Fehywec" {elec, Int+4}
249627 | Zig:26   | Identified the ring of Monnux {Will+ SInv}
249661 | Zig:26   | Identified the amulet of Gadacid {rElec Regen+ Str+5
                  | Stlth-}
249677 | Zig:26   | Identified the +0 helmet "Qeakuv" {*Slow rElec Regen+
                  | Int+8}
249710 | Zig:27   | Entered Level 27 of a ziggurat
249795 | Zig:27   | Identified the +7 hand axe "Kerphaf" {speed, Will++ Dex+2}
250164 | Zig:27   | Identified the +8 shortbow of Kuitseso {drain, rElec rF-
                  | Int+2 SInv}
250166 | Zig:27   | Identified the +3 leather armour of Cuynkumm {rPois}
250174 | Zig:27   | Identified the +9 glaive "Arbiter" {venom, +Blink MP+9}
250185 | Zig:27   | Identified the +1 plate armour "Buriwoc" {rN++ Str-4 Int+3
                  | SInv}
250194 | Zig:27   | Identified the +2 mace of Safu Soz {elec, Int+4}
250197 | Zig:27   | Identified the +2 ring mail of Sorcery {Dex+3 Slay+2}
250200 | Zig:27   | Identified the ring "Nyz Orch" {*Slow +Blink rCorr MP+9
                  | Slay+4}
250211 | Zig:27   | Identified the +0 leather armour of Dyam {rCorr}
250215 | Zig:27   | Identified the +5 falchion of Calculation {flame, rPois
                  | Will- rCorr Str-3}
250216 | Zig:27   | Identified the +1 plate armour of Life {rElec MP+9 Int+3
                  | Dex-4}
250255 | Zig:27   | Identified the +0 helmet "Guff" {rF+}
250354 | Depths:3 | Acquired 1260 gold pieces
250356 | Depths:3 | Acquired 448 gold pieces
250424 | Zig:1    | Entered Level 1 of a ziggurat
250424 | Zig:1    | Noticed a royal mummy
250425 | Zig:1    | Killed a royal mummy
250467 | Zig:1    | Identified the amulet of Omirray {Spirit rN++}
250520 | Zig:2    | Entered Level 2 of a ziggurat
250538 | Zig:3    | Entered Level 3 of a ziggurat
250538 | Zig:3    | Noticed a dread lich
250538 | Zig:3    | Noticed a dread lich
250538 | Zig:3    | Noticed an ancient lich
250538 | Zig:3    | Noticed an ancient lich
250539 | Zig:3    | Killed an ancient lich
250539 | Zig:3    | Killed a dread lich
250539 | Zig:3    | Killed an ancient lich
250540 | Zig:3    | Noticed an ancient lich
250540 | Zig:3    | Noticed an ancient lich
250540 | Zig:3    | Noticed a dread lich
250541 | Zig:3    | Killed a dread lich
250541 | Zig:3    | Killed an ancient lich
250542 | Zig:3    | Noticed a dread lich
250542 | Zig:3    | Noticed an ancient lich
250544 | Zig:3    | Killed an ancient lich
250544 | Zig:3    | Killed a dread lich
250544 | Zig:3    | Killed an ancient lich
250546 | Zig:3    | Killed a dread lich
250560 | Zig:4    | Entered Level 4 of a ziggurat
250773 | Zig:5    | Entered Level 5 of a ziggurat
250817 | Zig:5    | Identified the ring "Xoffiont" {Ice rElec rCorr Int-3}
251012 | Zig:6    | Entered Level 6 of a ziggurat
251031 | Zig:6    | Identified the +3 rapier of Abuse {flame, ^Fragile rPois
                  | Str-4 Dex+3}
251033 | Zig:6    | Identified the staff of Qamiybb {Hexes Earth}
251038 | Zig:7    | Entered Level 7 of a ziggurat
251038 | Zig:7    | Noticed an ancient lich
251038 | Zig:7    | Noticed an ancient lich
251038 | Zig:7    | Noticed a dread lich
251038 | Zig:7    | Noticed an ancient lich
251038 | Zig:7    | Noticed a dread lich
251038 | Zig:7    | Noticed an ancient lich
251038 | Zig:7    | Noticed a dread lich
251038 | Zig:7    | Noticed an ancient lich
251038 | Zig:7    | Noticed a dread lich
251039 | Zig:7    | Killed an ancient lich
251039 | Zig:7    | Killed a dread lich
251039 | Zig:7    | Killed a dread lich
251040 | Zig:7    | Noticed a dread lich
251040 | Zig:7    | Noticed an ancient lich
251041 | Zig:7    | Noticed an ancient lich
251041 | Zig:7    | Noticed an ancient lich
251041 | Zig:7    | Noticed a dread lich
251042 | Zig:7    | Killed an ancient lich
251042 | Zig:7    | Killed a dread lich
251042 | Zig:7    | Killed an ancient lich
251042 | Zig:7    | Killed an ancient lich
251042 | Zig:7    | Killed a dread lich
251043 | Zig:7    | Noticed an ancient lich
251043 | Zig:7    | Noticed a dread lich
251043 | Zig:7    | Noticed a dread lich
251043 | Zig:7    | Noticed an ancient lich
251043 | Zig:7    | Noticed an ancient lich
251043 | Zig:7    | Noticed a dread lich
251043 | Zig:7    | Noticed an ancient lich
251044 | Zig:7    | Noticed an ancient lich
251044 | Zig:7    | Noticed a dread lich
251044 | Zig:7    | Noticed an ancient lich
251045 | Zig:7    | Killed a dread lich
251045 | Zig:7    | Killed an ancient lich
251045 | Zig:7    | Killed an ancient lich
251045 | Zig:7    | Killed an ancient lich
251045 | Zig:7    | Killed an ancient lich
251045 | Zig:7    | Killed an ancient lich
251045 | Zig:7    | Killed a dread lich
251045 | Zig:7    | Killed a dread lich
251045 | Zig:7    | Killed an ancient lich
251046 | Zig:7    | Noticed an ancient lich
251046 | Zig:7    | Noticed a dread lich
251046 | Zig:7    | Noticed an ancient lich
251046 | Zig:7    | Killed an ancient lich
251047 | Zig:7    | Killed a dread lich
251048 | Zig:7    | Killed an ancient lich
251048 | Zig:7    | Killed an ancient lich
251048 | Zig:7    | Killed an ancient lich
251048 | Zig:7    | Killed a dread lich
251048 | Zig:7    | Killed a dread lich
251048 | Zig:7    | Killed an ancient lich
251049 | Zig:7    | Killed a dread lich
251049 | Zig:7    | Killed an ancient lich
251055 | Zig:7    | Identified the staff of Fate {rElec rF+ rC++ rN+ Necro
                  | Alchemy}
251067 | Zig:8    | Entered Level 8 of a ziggurat
251067 | Zig:8    | Noticed a dread lich
251067 | Zig:8    | Noticed an ancient lich
251067 | Zig:8    | Noticed a dread lich
251067 | Zig:8    | Noticed a dread lich
251067 | Zig:8    | Noticed an ancient lich
251067 | Zig:8    | Noticed a dread lich
251067 | Zig:8    | Noticed an ancient lich
251067 | Zig:8    | Noticed a dread lich
251067 | Zig:8    | Noticed an ancient lich
251067 | Zig:8    | Noticed a dread lich
251067 | Zig:8    | Noticed an ancient lich
251067 | Zig:8    | Noticed a dread lich
251068 | Zig:8    | Killed a dread lich
251068 | Zig:8    | Killed an ancient lich
251068 | Zig:8    | Killed a dread lich
251068 | Zig:8    | Killed a dread lich
251068 | Zig:8    | Killed an ancient lich
251068 | Zig:8    | Killed a dread lich
251068 | Zig:8    | Killed a dread lich
251068 | Zig:8    | Killed a dread lich
251069 | Zig:8    | Noticed an ancient lich
251069 | Zig:8    | Noticed a dread lich
251069 | Zig:8    | Noticed an ancient lich
251070 | Zig:8    | Noticed an ancient lich
251070 | Zig:8    | Noticed a dread lich
251070 | Zig:8    | Killed a dread lich
251070 | Zig:8    | Killed an ancient lich
251070 | Zig:8    | Killed an ancient lich
251071 | Zig:8    | Noticed a dread lich
251072 | Zig:8    | Killed a dread lich
251072 | Zig:8    | Killed a dread lich
251072 | Zig:8    | Killed an ancient lich
251073 | Zig:8    | Noticed a dread lich
251073 | Zig:8    | Noticed an ancient lich
251073 | Zig:8    | Noticed a dread lich
251073 | Zig:8    | Killed an ancient lich
251074 | Zig:8    | Noticed an ancient lich
251074 | Zig:8    | Noticed an ancient lich
251074 | Zig:8    | Noticed an ancient lich
251074 | Zig:8    | Noticed a dread lich
251075 | Zig:8    | Killed an ancient lich
251075 | Zig:8    | Killed an ancient lich
251075 | Zig:8    | Killed a dread lich
251075 | Zig:8    | Killed a dread lich
251075 | Zig:8    | Killed a dread lich
251075 | Zig:8    | Killed a dread lich
251075 | Zig:8    | Noticed a dread lich
251076 | Zig:8    | Noticed a dread lich
251076 | Zig:8    | Noticed a dread lich
251076 | Zig:8    | Noticed an ancient lich
251077 | Zig:8    | Killed an ancient lich
251077 | Zig:8    | Killed an ancient lich
251077 | Zig:8    | Killed an ancient lich
251078 | Zig:8    | Killed an ancient lich
251078 | Zig:8    | Killed a dread lich
251078 | Zig:8    | Killed a dread lich
251078 | Zig:8    | Killed an ancient lich
251078 | Zig:8    | Killed a dread lich
251079 | Zig:8    | Noticed a dread lich
251080 | Zig:8    | Killed a dread lich
251081 | Zig:8    | Noticed a dread lich
251081 | Zig:8    | Noticed a dread lich
251081 | Zig:8    | Noticed a dread lich
251082 | Zig:8    | Killed a dread lich
251084 | Zig:8    | Killed a dread lich
251087 | Zig:8    | Killed a dread lich
251277 | Zig:8    | Identified the amulet of Huegitz {RegenMP rN++ Str-2 Int+6}
251279 | Zig:8    | Identified the staff of Intuition {rPois rC+ Str+4 Alchemy}
251283 | Zig:8    | Identified the +3 quarterstaff of the Doomed Warrior
                  | {flame, +Blink rF- rN+ Str+2}
251313 | Zig:8    | Identified the +3 ring mail of Qiustra {MP+9}
251328 | Zig:8    | Identified the ring "Plog" {rF+ rCorr}
251391 | Zig:9    | Entered Level 9 of a ziggurat
251471 | Zig:9    | Identified the +5 arbalest "Concordance" {freeze, *Slow
                  | rF++ Dex+7}
251472 | Zig:9    | Identified the staff of Suhenac {rElec rC++ Dex+6 Conj Air}
251474 | Zig:9    | Identified the +9 sling of Corruption {heavy, Int+4}
251483 | Zig:9    | Identified the ring "Riroekiy" {Fly rPois rC+}
251485 | Zig:9    | Identified the +7 dire flail "Fanus" {freeze, rC+ rN+}
251757 | Zig:10   | Entered Level 10 of a ziggurat
251765 | Zig:10   | Noticed an ancient lich
251766 | Zig:10   | Killed an ancient lich
252067 | Zig:10   | Identified the ring "Lyes" {*Corrode Will+ Int+5}
252106 | Zig:10   | Identified the +1 quarterstaff of Hard Scrabble {flame,
                  | Int+2}
252107 | Zig:10   | Identified the +3 flail of the Orange Skies {drain, Str+2}
252126 | Zig:10   | Identified the +8 mace of Vuhewod {holy, Stlth+}
252172 | Zig:11   | Entered Level 11 of a ziggurat
252172 | Zig:11   | Noticed a royal mummy
252172 | Zig:11   | Noticed a royal mummy
252172 | Zig:11   | Noticed a royal mummy
252172 | Zig:11   | Noticed a royal mummy
252172 | Zig:11   | Noticed a royal mummy
252172 | Zig:11   | Noticed a royal mummy
252172 | Zig:11   | Noticed a royal mummy
252172 | Zig:11   | Noticed a royal mummy
252172 | Zig:11   | Noticed a royal mummy
252172 | Zig:11   | Noticed a royal mummy
252172 | Zig:11   | Noticed a royal mummy
252172 | Zig:11   | Noticed a royal mummy
252172 | Zig:11   | Noticed a royal mummy
252172 | Zig:11   | Noticed a royal mummy
252173 | Zig:11   | Killed a royal mummy
252173 | Zig:11   | Killed a royal mummy
252173 | Zig:11   | Killed a royal mummy
252173 | Zig:11   | Killed a royal mummy
252173 | Zig:11   | Killed a royal mummy
252173 | Zig:11   | Killed a royal mummy
252173 | Zig:11   | Killed a royal mummy
252173 | Zig:11   | Killed a royal mummy
252173 | Zig:11   | Killed a royal mummy
252173 | Zig:11   | Killed a royal mummy
252174 | Zig:11   | Noticed a royal mummy
252174 | Zig:11   | Noticed a royal mummy
252174 | Zig:11   | Noticed a royal mummy
252175 | Zig:11   | Noticed a royal mummy
252176 | Zig:11   | Killed a royal mummy
252176 | Zig:11   | Killed a royal mummy
252176 | Zig:11   | Killed a royal mummy
252176 | Zig:11   | Killed a royal mummy
252176 | Zig:11   | Noticed a royal mummy
252177 | Zig:11   | Killed a royal mummy
252177 | Zig:11   | Killed a royal mummy
252177 | Zig:11   | Killed a royal mummy
252177 | Zig:11   | Killed a royal mummy
252178 | Zig:11   | Killed a royal mummy
252178 | Zig:11   | Noticed a royal mummy
252179 | Zig:11   | Noticed a royal mummy
252179 | Zig:11   | Noticed a royal mummy
252181 | Zig:11   | Killed a royal mummy
252181 | Zig:11   | Noticed a royal mummy
252181 | Zig:11   | Noticed a royal mummy
252182 | Zig:11   | Noticed a royal mummy
252182 | Zig:11   | Killed a royal mummy
252183 | Zig:11   | Killed a royal mummy
252183 | Zig:11   | Killed a royal mummy
252183 | Zig:11   | Killed a royal mummy
252183 | Zig:11   | Noticed a royal mummy
252184 | Zig:11   | Noticed a royal mummy
252184 | Zig:11   | Noticed a royal mummy
252184 | Zig:11   | Killed a royal mummy
252185 | Zig:11   | Noticed a royal mummy
252186 | Zig:11   | Killed a royal mummy
252186 | Zig:11   | Killed a royal mummy
252188 | Zig:11   | Noticed a royal mummy
252188 | Zig:11   | Noticed a royal mummy
252188 | Zig:11   | Killed a royal mummy
252189 | Zig:11   | Killed a royal mummy
252190 | Zig:11   | Noticed a royal mummy
252190 | Zig:11   | Noticed a royal mummy
252190 | Zig:11   | Noticed a royal mummy
252191 | Zig:11   | Killed a royal mummy
252191 | Zig:11   | Killed a royal mummy
252191 | Zig:11   | Killed a royal mummy
252192 | Zig:11   | Killed a royal mummy
252194 | Zig:11   | Killed a royal mummy
252195 | Zig:11   | Noticed a royal mummy
252199 | Zig:11   | Killed a royal mummy
252278 | Zig:11   | Identified the +5 sling of the Solstice {drain, ^Contam rC+
                  | Will++ Str+3}
252580 | Zig:11   | Identified the +9 plate armour of the Three Nights {^Drain
                  | rC+++ Will+ Str+3}
252597 | Zig:12   | Entered Level 12 of a ziggurat
252597 | Zig:12   | Noticed a juggernaut
252597 | Zig:12   | Noticed a juggernaut
252598 | Zig:12   | Killed a juggernaut
252598 | Zig:12   | Killed a juggernaut
252599 | Zig:12   | Noticed a juggernaut
252599 | Zig:12   | Noticed a juggernaut
252599 | Zig:12   | Noticed a juggernaut
252599 | Zig:12   | Noticed a juggernaut
252601 | Zig:12   | Noticed a juggernaut
252601 | Zig:12   | Noticed a juggernaut
252601 | Zig:12   | Killed a juggernaut
252601 | Zig:12   | Killed a juggernaut
252601 | Zig:12   | Killed a juggernaut
252602 | Zig:12   | Noticed a juggernaut
252603 | Zig:12   | Noticed a juggernaut
252603 | Zig:12   | Killed a juggernaut
252604 | Zig:12   | Killed a juggernaut
252604 | Zig:12   | Killed a juggernaut
252605 | Zig:12   | Noticed a juggernaut
252606 | Zig:12   | Noticed a juggernaut
252606 | Zig:12   | Noticed a juggernaut
252606 | Zig:12   | Noticed a juggernaut
252606 | Zig:12   | Noticed a juggernaut
252606 | Zig:12   | Noticed a juggernaut
252607 | Zig:12   | Killed a juggernaut
252607 | Zig:12   | Killed a juggernaut
252607 | Zig:12   | Killed a juggernaut
252608 | Zig:12   | Noticed a juggernaut
252610 | Zig:12   | Noticed a juggernaut
252610 | Zig:12   | Killed a juggernaut
252610 | Zig:12   | Killed a juggernaut
252610 | Zig:12   | Killed a juggernaut
252612 | Zig:12   | Noticed a juggernaut
252612 | Zig:12   | Killed a juggernaut
252612 | Zig:12   | Killed a juggernaut
252613 | Zig:12   | Killed a juggernaut
252613 | Zig:12   | Killed a juggernaut
252616 | Zig:12   | Killed a juggernaut
252913 | Zig:12   | Identified the +1 mace of the Bedazzled God {freeze, rElec
                  | rF- rC+ Str+6}
252986 | Zig:12   | Identified the +0 hand axe "Leuhau" {antimagic, rN+ rCorr}
253019 | Zig:12   | Identified the +6 chain mail of Cischa {Harm}
253053 | Zig:12   | Identified the +0 plate armour of Fanaticism {rPois}
253086 | Zig:13   | Entered Level 13 of a ziggurat
253141 | Zig:13   | Identified the +0 leather armour "Uhauvujui" {rF- Str+4
                  | Int+2 SInv}
253209 | Zig:13   | Identified the ring of Kyclahur {MP+9 Int+4 Dex+4}
253215 | Zig:13   | Identified the +1 plate armour of Joitev {rC- Str+4}
253223 | Zig:13   | Identified the staff of Caxkymm {rElec rPois Stlth- Hexes
                  | Air Alchemy}
253226 | Zig:13   | Identified the amulet "Gise" {Acrobat rC++}
253245 | Zig:13   | Identified the +5 plate armour "Naifuti" {-Tele Str+2
                  | Stlth+}
253254 | Zig:13   | Identified the staff "Juokh" {+Blink rC+ Str+8 Int+2 Dex-2
                  | Ice}
253262 | Zig:13   | Identified the +6 glaive of Womegud {drain, Will+ rCorr
                  | Str+2 Int+2}
253573 | Zig:14   | Entered Level 14 of a ziggurat
253573 | Zig:14   | Noticed Nahant the pandemonium lord
253573 | Zig:14   | Noticed Emargh the pandemonium lord
253573 | Zig:14   | Noticed Ugarchal the pandemonium lord
253573 | Zig:14   | Noticed Eggo the pandemonium lord
253573 | Zig:14   | Noticed Cadghef the pandemonium lord
253573 | Zig:14   | Noticed Boprapea the pandemonium lord
253574 | Zig:14   | Noticed Ifotrolo the pandemonium lord
253574 | Zig:14   | Noticed Faohetaeva the pandemonium lord
253574 | Zig:14   | Noticed Dovupsi the pandemonium lord
253575 | Zig:14   | Noticed Jidebb the pandemonium lord
253575 | Zig:14   | Noticed Liliudd the pandemonium lord
253575 | Zig:14   | Noticed Kitsout the pandemonium lord
253576 | Zig:14   | Killed Emargh the pandemonium lord
253576 | Zig:14   | Killed Jidebb the pandemonium lord
253576 | Zig:14   | Noticed Zitwua the pandemonium lord
253576 | Zig:14   | Noticed Cycrafyi the pandemonium lord
253576 | Zig:14   | Noticed Iqajeb the pandemonium lord
253577 | Zig:14   | Noticed Budaet the pandemonium lord
253577 | Zig:14   | Noticed Zowyfyas the pandemonium lord
253577 | Zig:14   | Noticed Fiezaluwy the pandemonium lord
253578 | Zig:14   | Killed Zitwua the pandemonium lord
253578 | Zig:14   | Noticed Ruariah the pandemonium lord
253578 | Zig:14   | Noticed Irucew the pandemonium lord
253579 | Zig:14   | Killed Cadghef the pandemonium lord
253579 | Zig:14   | Killed Eggo the pandemonium lord
253579 | Zig:14   | Killed Nahant the pandemonium lord
253579 | Zig:14   | Killed Cycrafyi the pandemonium lord
253579 | Zig:14   | Killed Ugarchal the pandemonium lord
253579 | Zig:14   | Killed Liliudd the pandemonium lord
253579 | Zig:14   | Killed Dovupsi the pandemonium lord
253579 | Zig:14   | Noticed Miluz the pandemonium lord
253579 | Zig:14   | Noticed Qaogix the pandemonium lord
253581 | Zig:14   | Killed Faohetaeva the pandemonium lord
253581 | Zig:14   | Noticed Dinoresku the pandemonium lord
253581 | Zig:14   | Killed Fiezaluwy the pandemonium lord
253581 | Zig:14   | Killed Irucew the pandemonium lord
253581 | Zig:14   | Noticed Merghaasi the pandemonium lord
253582 | Zig:14   | Noticed Myazulen the pandemonium lord
253583 | Zig:14   | Killed Zowyfyas the pandemonium lord
253583 | Zig:14   | Killed Iqajeb the pandemonium lord
253583 | Zig:14   | Killed Kitsout the pandemonium lord
253584 | Zig:14   | Killed Budaet the pandemonium lord
253584 | Zig:14   | Killed Miluz the pandemonium lord
253584 | Zig:14   | Killed Ifotrolo the pandemonium lord
253584 | Zig:14   | Killed Merghaasi the pandemonium lord
253584 | Zig:14   | Killed Dinoresku the pandemonium lord
253584 | Zig:14   | Noticed Etaisiem the pandemonium lord
253584 | Zig:14   | Noticed Zaceeb the pandemonium lord
253585 | Zig:14   | Noticed Lumyar the pandemonium lord
253585 | Zig:14   | Noticed Ruji the pandemonium lord
253585 | Zig:14   | Noticed Nuvigutt the pandemonium lord
253585 | Zig:14   | Noticed Zekiq the pandemonium lord
253585 | Zig:14   | Noticed Esaweow the pandemonium lord
253586 | Zig:14   | Killed Ruariah the pandemonium lord
253586 | Zig:14   | Killed Myazulen the pandemonium lord
253586 | Zig:14   | Killed Zekiq the pandemonium lord
253586 | Zig:14   | Killed Esaweow the pandemonium lord
253586 | Zig:14   | Killed Qaogix the pandemonium lord
253586 | Zig:14   | Noticed Nathrimm the pandemonium lord
253587 | Zig:14   | Noticed Ataaf the pandemonium lord
253587 | Zig:14   | Killed Etaisiem the pandemonium lord
253587 | Zig:14   | Killed Ruji the pandemonium lord
253587 | Zig:14   | Killed Lumyar the pandemonium lord
253587 | Zig:14   | Noticed Bagit the pandemonium lord
253587 | Zig:14   | Noticed Kawykec the pandemonium lord
253587 | Zig:14   | Noticed Ecepeumy the pandemonium lord
253588 | Zig:14   | Killed Zaceeb the pandemonium lord
253588 | Zig:14   | Noticed Acanivurph the pandemonium lord
253589 | Zig:14   | Noticed Hajycid the pandemonium lord
253589 | Zig:14   | Noticed Ecvuvuuf the pandemonium lord
253589 | Zig:14   | Killed Ataaf the pandemonium lord
253590 | Zig:14   | Noticed Lomnel the pandemonium lord
253590 | Zig:14   | Killed Nathrimm the pandemonium lord
253590 | Zig:14   | Killed Bagit the pandemonium lord
253591 | Zig:14   | Noticed Wunor the pandemonium lord
253591 | Zig:14   | Noticed Dimp the pandemonium lord
253592 | Zig:14   | Noticed Niblaotz the pandemonium lord
253592 | Zig:14   | Noticed Quidy the pandemonium lord
253592 | Zig:14   | Noticed Raqaphe the pandemonium lord
253592 | Zig:14   | Noticed Fuoh the pandemonium lord
253593 | Zig:14   | Noticed Pegikh the pandemonium lord
253593 | Zig:14   | Killed Lomnel the pandemonium lord
253593 | Zig:14   | Killed Acanivurph the pandemonium lord
253593 | Zig:14   | Killed Hajycid the pandemonium lord
253593 | Zig:14   | Noticed Nits the pandemonium lord
253593 | Zig:14   | Noticed Tucvyxta the pandemonium lord
253594 | Zig:14   | Killed Nuvigutt the pandemonium lord
253594 | Zig:14   | Killed Wunor the pandemonium lord
253594 | Zig:14   | Noticed Zuilacho the pandemonium lord
253595 | Zig:14   | Noticed Ynnis the pandemonium lord
253595 | Zig:14   | Killed Pegikh the pandemonium lord
253595 | Zig:14   | Killed Boprapea the pandemonium lord
253595 | Zig:14   | Noticed Wanaleli the pandemonium lord
253595 | Zig:14   | Noticed Myhorgh the pandemonium lord
253595 | Zig:14   | Noticed Xathearottu the pandemonium lord
253596 | Zig:14   | Killed Zuilacho the pandemonium lord
253596 | Zig:14   | Killed Dimp the pandemonium lord
253596 | Zig:14   | Killed Fuoh the pandemonium lord
253596 | Zig:14   | Noticed Othaps the pandemonium lord
253596 | Zig:14   | Killed Myhorgh the pandemonium lord
253596 | Zig:14   | Killed Nits the pandemonium lord
253596 | Zig:14   | Killed Ecepeumy the pandemonium lord
253596 | Zig:14   | Killed Quidy the pandemonium lord
253597 | Zig:14   | Killed Kawykec the pandemonium lord
253597 | Zig:14   | Noticed Qinluuwn the pandemonium lord
253598 | Zig:14   | Noticed Bysmubar the pandemonium lord
253598 | Zig:14   | Noticed Xietyofaet the pandemonium lord
253599 | Zig:14   | Killed Niblaotz the pandemonium lord
253599 | Zig:14   | Killed Bysmubar the pandemonium lord
253599 | Zig:14   | Noticed Wilalox the pandemonium lord
253600 | Zig:14   | Killed Othaps the pandemonium lord
253600 | Zig:14   | Killed Ynnis the pandemonium lord
253600 | Zig:14   | Killed Qinluuwn the pandemonium lord
253600 | Zig:14   | Noticed Giolu the pandemonium lord
253601 | Zig:14   | Killed Wanaleli the pandemonium lord
253601 | Zig:14   | Noticed Mippyky the pandemonium lord
253601 | Zig:14   | Noticed Betsybi the pandemonium lord
253602 | Zig:14   | Killed Ecvuvuuf the pandemonium lord
253602 | Zig:14   | Noticed Naotimon the pandemonium lord
253604 | Zig:14   | Killed Tucvyxta the pandemonium lord
253604 | Zig:14   | Noticed Tuugisis the pandemonium lord
253606 | Zig:14   | Noticed Peutir the pandemonium lord
253607 | Zig:14   | Noticed Nelablex the pandemonium lord
253608 | Zig:14   | Killed Raqaphe the pandemonium lord
253610 | Zig:14   | Noticed Sadoipp the pandemonium lord
253613 | Zig:14   | Noticed Baipae Qori the pandemonium lord
253613 | Zig:14   | Noticed Quamoptiu the pandemonium lord
253616 | Zig:14   | Noticed Gemeurhu the pandemonium lord
253618 | Zig:14   | Killed Betsybi the pandemonium lord
253618 | Zig:14   | Noticed Wulaps the pandemonium lord
253625 | Zig:14   | Noticed Buwap the pandemonium lord
253625 | Zig:14   | Killed Naotimon the pandemonium lord
253625 | Zig:14   | Noticed Iqeolamn the pandemonium lord
253626 | Zig:14   | Noticed Comp the pandemonium lord
253626 | Zig:14   | Noticed Pejaskaty the pandemonium lord
253629 | Zig:14   | Noticed Nyrosis the pandemonium lord
253630 | Zig:14   | Noticed Vesyc the pandemonium lord
253630 | Zig:14   | Killed Peutir the pandemonium lord
253630 | Zig:14   | Killed Sadoipp the pandemonium lord
253630 | Zig:14   | Noticed Cyibref the pandemonium lord
253631 | Zig:14   | Killed Wulaps the pandemonium lord
253631 | Zig:14   | Killed Quamoptiu the pandemonium lord
253631 | Zig:14   | Killed Xathearottu the pandemonium lord
253632 | Zig:14   | Killed Pejaskaty the pandemonium lord
253632 | Zig:14   | Killed Xietyofaet the pandemonium lord
253632 | Zig:14   | Killed Wilalox the pandemonium lord
253632 | Zig:14   | Killed Giolu the pandemonium lord
253632 | Zig:14   | Killed Tuugisis the pandemonium lord
253632 | Zig:14   | Noticed Kesun the pandemonium lord
253633 | Zig:14   | Killed Comp the pandemonium lord
253633 | Zig:14   | Killed Vesyc the pandemonium lord
253633 | Zig:14   | Killed Buwap the pandemonium lord
253633 | Zig:14   | Killed Cyibref the pandemonium lord
253633 | Zig:14   | Killed Gemeurhu the pandemonium lord
253633 | Zig:14   | Killed Mippyky the pandemonium lord
253633 | Zig:14   | Noticed Kias the pandemonium lord
253633 | Zig:14   | Noticed Tafaziga the pandemonium lord
253634 | Zig:14   | Killed Nelablex the pandemonium lord
253634 | Zig:14   | Killed Iqeolamn the pandemonium lord
253634 | Zig:14   | Noticed Tuocsewk the pandemonium lord
253635 | Zig:14   | Killed Baipae Qori the pandemonium lord
253635 | Zig:14   | Killed Kesun the pandemonium lord
253635 | Zig:14   | Killed Kias the pandemonium lord
253635 | Zig:14   | Killed Nyrosis the pandemonium lord
253635 | Zig:14   | Noticed Goilom the pandemonium lord
253635 | Zig:14   | Noticed Assimoi the pandemonium lord
253636 | Zig:14   | Noticed Isuato the pandemonium lord
253636 | Zig:14   | Noticed Heunios the pandemonium lord
253637 | Zig:14   | Noticed Wofeunee the pandemonium lord
253637 | Zig:14   | Killed Tafaziga the pandemonium lord
253637 | Zig:14   | Killed Tuocsewk the pandemonium lord
253638 | Zig:14   | Killed Wofeunee the pandemonium lord
253638 | Zig:14   | Noticed Gorisa the pandemonium lord
253639 | Zig:14   | Noticed Bidaeneth the pandemonium lord
253639 | Zig:14   | Noticed Qeczehoo the pandemonium lord
253639 | Zig:14   | Noticed Lenlao Maime the pandemonium lord
253639 | Zig:14   | Noticed Rayjal the pandemonium lord
253640 | Zig:14   | Killed Goilom the pandemonium lord
253640 | Zig:14   | Noticed Huan the pandemonium lord
253641 | Zig:14   | Killed Heunios the pandemonium lord
253641 | Zig:14   | Killed Isuato the pandemonium lord
253641 | Zig:14   | Killed Rayjal the pandemonium lord
253641 | Zig:14   | Noticed Yxtuev the pandemonium lord
253642 | Zig:14   | Killed Gorisa the pandemonium lord
253642 | Zig:14   | Killed Qeczehoo the pandemonium lord
253642 | Zig:14   | Killed Lenlao Maime the pandemonium lord
253642 | Zig:14   | Killed Bidaeneth the pandemonium lord
253642 | Zig:14   | Noticed Sauseec the pandemonium lord
253642 | Zig:14   | Noticed Faerchuk the pandemonium lord
253643 | Zig:14   | Noticed Poecs the pandemonium lord
253644 | Zig:14   | Noticed Narhyun the pandemonium lord
253645 | Zig:14   | Noticed Boxtaipt the pandemonium lord
253645 | Zig:14   | Killed Yxtuev the pandemonium lord
253645 | Zig:14   | Killed Sauseec the pandemonium lord
253645 | Zig:14   | Noticed Cefiuk the pandemonium lord
253646 | Zig:14   | Killed Huan the pandemonium lord
253646 | Zig:14   | Killed Narhyun the pandemonium lord
253646 | Zig:14   | Killed Assimoi the pandemonium lord
253646 | Zig:14   | Noticed Cezaczes the pandemonium lord
253646 | Zig:14   | Noticed Irgheig the pandemonium lord
253647 | Zig:14   | Noticed Joacuesuawk the pandemonium lord
253654 | Zig:14   | Killed Cefiuk the pandemonium lord
253654 | Zig:14   | Killed Boxtaipt the pandemonium lord
253655 | Zig:14   | Killed Joacuesuawk the pandemonium lord
253655 | Zig:14   | Killed Faerchuk the pandemonium lord
253656 | Zig:14   | Killed Cezaczes the pandemonium lord
253658 | Zig:14   | Killed Poecs the pandemonium lord
253662 | Zig:14   | Killed Irgheig the pandemonium lord
253939 | Zig:14   | Identified the ring of Ephemeral Luck {Str+2 Dex+6}
253955 | Zig:14   | Identified the +2 robe of Wuelair {rF- Int+4}
253964 | Zig:14   | Identified the +5 short sword of the Keeping Asp {spect,
                  | rN+ Int+4 Dex+2}
253968 | Zig:14   | Identified the +10 falchion "Uxtese Kesu" {heavy, *Corrode
                  | rPois rN+}
253972 | Zig:14   | Identified the +3 long sword of Pebroighus {freeze, rC+
                  | Will+}
254020 | Zig:15   | Entered Level 15 of a ziggurat
254033 | Zig:15   | Noticed an ancient lich
254036 | Zig:15   | Noticed an ancient lich
254038 | Zig:15   | Killed an ancient lich
254043 | Zig:15   | Killed an ancient lich
254117 | Zig:15   | Identified the +3 falchion of Weseguun {spect, rC+ Int+4}
254349 | Zig:15   | Identified the +0 helmet of Valiance {Stlth+}
254355 | Zig:15   | Identified the ring of Azyc {rF++ rCorr Int-2}
254375 | Zig:15   | Identified the staff "Vaodifus" {rElec rC+ Int+7 Dex-3 Fire
                  | Ice}
254378 | Zig:15   | Identified the +4 short sword of Implojin's Terror {heavy,
                  | ^Fragile rPois Str+8 Int-5}
254379 | Zig:15   | Identified the +5 short sword of Recklessness {venom, Will+
                  | MP+9 SInv}
254384 | Zig:15   | Identified the +4 falchion of the Gibberer {freeze, rElec
                  | Dex+3 Stlth+}
254544 | Zig:16   | Entered Level 16 of a ziggurat
254566 | Zig:16   | Noticed Inai the pandemonium lord
254574 | Zig:16   | Killed Inai the pandemonium lord
255076 | Zig:16   | Identified the +4 battleaxe "Lodeam" {elec, rC+}
255127 | Zig:16   | Identified the +4 shortbow "Poeq" {flame, Str+3}
255139 | Zig:16   | Identified the +7 shortbow "Pocram" {drain, Str+4}
255150 | Zig:16   | Identified the +6 short sword of Anny {spect, rElec rC- rN+
                  | Stlth+}
255159 | Zig:16   | Identified the +8 battleaxe of Massacring {vamp, Dex+3}
255162 | Zig:16   | Identified the +0 scale mail of Hiuwna {rPois Regen+}
255164 | Zig:16   | Identified the ring "Hyzylinop" {Fire Dex+3}
255166 | Zig:16   | Identified the +1 long sword of the Winnowing Big Fish
                  | {elec, rF+ Int+5}
255168 | Zig:16   | Identified the +7 plate armour "Fihai" {Will+ Regen+ Str+2}
255169 | Zig:16   | Identified the +1 mace "Fyxubb" {venom, Str+3}
255181 | Zig:16   | Identified the +1 leather armour of the Elephant {rElec rC-
                  | rN+}
255219 | Zig:17   | Entered Level 17 of a ziggurat
255219 | Zig:17   | Noticed a dread lich
255219 | Zig:17   | Noticed a dread lich
255219 | Zig:17   | Noticed an ancient lich
255219 | Zig:17   | Noticed an ancient lich
255219 | Zig:17   | Noticed a dread lich
255219 | Zig:17   | Noticed a dread lich
255220 | Zig:17   | Killed a dread lich
255220 | Zig:17   | Killed an ancient lich
255220 | Zig:17   | Killed an ancient lich
255221 | Zig:17   | Noticed an ancient lich
255221 | Zig:17   | Noticed a dread lich
255221 | Zig:17   | Noticed a dread lich
255221 | Zig:17   | Noticed a dread lich
255221 | Zig:17   | Noticed an ancient lich
255222 | Zig:17   | Killed a dread lich
255223 | Zig:17   | Killed an ancient lich
255223 | Zig:17   | Killed a dread lich
255223 | Zig:17   | Killed a dread lich
255225 | Zig:17   | Noticed a dread lich
255225 | Zig:17   | Noticed an ancient lich
255225 | Zig:17   | Noticed an ancient lich
255225 | Zig:17   | Noticed a dread lich
255225 | Zig:17   | Noticed an ancient lich
255225 | Zig:17   | Noticed a dread lich
255225 | Zig:17   | Noticed an ancient lich
255226 | Zig:17   | Killed a dread lich
255226 | Zig:17   | Killed a dread lich
255227 | Zig:17   | Noticed an ancient lich
255228 | Zig:17   | Noticed a dread lich
255228 | Zig:17   | Noticed a dread lich
255228 | Zig:17   | Noticed an ancient lich
255228 | Zig:17   | Noticed an ancient lich
255229 | Zig:17   | Killed a dread lich
255229 | Zig:17   | Killed a dread lich
255229 | Zig:17   | Killed an ancient lich
255229 | Zig:17   | Killed an ancient lich
255229 | Zig:17   | Killed an ancient lich
255230 | Zig:17   | Noticed an ancient lich
255230 | Zig:17   | Noticed a dread lich
255230 | Zig:17   | Noticed an ancient lich
255230 | Zig:17   | Noticed an ancient lich
255230 | Zig:17   | Noticed an ancient lich
255231 | Zig:17   | Noticed a dread lich
255231 | Zig:17   | Noticed a dread lich
255231 | Zig:17   | Noticed a dread lich
255231 | Zig:17   | Noticed a dread lich
255231 | Zig:17   | Noticed an ancient lich
255232 | Zig:17   | Noticed a dread lich
255232 | Zig:17   | Killed a dread lich
255232 | Zig:17   | Killed an ancient lich
255232 | Zig:17   | Killed a dread lich
255232 | Zig:17   | Killed an ancient lich
255232 | Zig:17   | Killed an ancient lich
255232 | Zig:17   | Killed an ancient lich
255232 | Zig:17   | Killed an ancient lich
255232 | Zig:17   | Killed a dread lich
255232 | Zig:17   | Killed an ancient lich
255234 | Zig:17   | Noticed an ancient lich
255234 | Zig:17   | Noticed a dread lich
255234 | Zig:17   | Noticed an ancient lich
255234 | Zig:17   | Killed a dread lich
255234 | Zig:17   | Noticed an ancient lich
255234 | Zig:17   | Noticed a dread lich
255235 | Zig:17   | Noticed a dread lich
255235 | Zig:17   | Killed a dread lich
255235 | Zig:17   | Killed an ancient lich
255235 | Zig:17   | Killed an ancient lich
255235 | Zig:17   | Killed a dread lich
255235 | Zig:17   | Killed a dread lich
255235 | Zig:17   | Killed a dread lich
255235 | Zig:17   | Killed a dread lich
255235 | Zig:17   | Killed an ancient lich
255235 | Zig:17   | Killed an ancient lich
255235 | Zig:17   | Killed a dread lich
255236 | Zig:17   | Killed an ancient lich
255237 | Zig:17   | Killed a dread lich
255238 | Zig:17   | Noticed an ancient lich
255238 | Zig:17   | Noticed an ancient lich
255238 | Zig:17   | Noticed a dread lich
255238 | Zig:17   | Noticed an ancient lich
255238 | Zig:17   | Noticed an ancient lich
255239 | Zig:17   | Noticed a dread lich
255239 | Zig:17   | Noticed an ancient lich
255239 | Zig:17   | Noticed a dread lich
255239 | Zig:17   | Killed an ancient lich
255240 | Zig:17   | Killed a dread lich
255240 | Zig:17   | Killed an ancient lich
255240 | Zig:17   | Killed an ancient lich
255240 | Zig:17   | Killed a dread lich
255240 | Zig:17   | Killed a dread lich
255240 | Zig:17   | Killed an ancient lich
255240 | Zig:17   | Killed an ancient lich
255241 | Zig:17   | Noticed a dread lich
255241 | Zig:17   | Noticed a dread lich
255241 | Zig:17   | Noticed an ancient lich
255241 | Zig:17   | Noticed an ancient lich
255242 | Zig:17   | Noticed an ancient lich
255243 | Zig:17   | Noticed a dread lich
255243 | Zig:17   | Killed an ancient lich
255243 | Zig:17   | Killed a dread lich
255243 | Zig:17   | Killed a dread lich
255243 | Zig:17   | Killed an ancient lich
255244 | Zig:17   | Noticed an ancient lich
255244 | Zig:17   | Noticed an ancient lich
255244 | Zig:17   | Noticed a dread lich
255244 | Zig:17   | Noticed an ancient lich
255245 | Zig:17   | Noticed an ancient lich
255245 | Zig:17   | Noticed an ancient lich
255245 | Zig:17   | Noticed an ancient lich
255245 | Zig:17   | Noticed an ancient lich
255246 | Zig:17   | Killed an ancient lich
255246 | Zig:17   | Killed an ancient lich
255246 | Zig:17   | Killed an ancient lich
255246 | Zig:17   | Killed a dread lich
255246 | Zig:17   | Killed an ancient lich
255246 | Zig:17   | Killed a dread lich
255246 | Zig:17   | Killed an ancient lich
255247 | Zig:17   | Noticed an ancient lich
255249 | Zig:17   | Killed an ancient lich
255249 | Zig:17   | Killed a dread lich
255249 | Zig:17   | Killed an ancient lich
255249 | Zig:17   | Killed an ancient lich
255249 | Zig:17   | Killed an ancient lich
255249 | Zig:17   | Killed an ancient lich
255250 | Zig:17   | Killed a dread lich
255252 | Zig:17   | Killed an ancient lich
255267 | Zig:17   | Killed a dread lich
255336 | Zig:17   | Identified the +8 battleaxe of Untruth {flame, rF++ Int+6}
255355 | Zig:17   | Identified the staff "Tamez" {rElec Str+4 Int-5 Tloc Air
                  | Earth}
255376 | Zig:17   | Identified the amulet "Suew" {Spirit rElec rPois Regen+
                  | Stlth+}
255382 | Zig:17   | Identified the +0 falchion of the Orcish Mines {vamp, MP+9
                  | Int-5 SInv}
255397 | Zig:17   | Identified the +2 plate armour of Prudence {Int+2}
255405 | Zig:17   | Identified the staff of Uboczaki {rElec Earth}
255433 | Zig:17   | Identified the +7 dagger of Jiqas {vamp, rN+}
255450 | Zig:17   | Identified the ring "Sealil" {+Blink Will+ Stlth+}
255808 | Zig:18   | Entered Level 18 of a ziggurat
255814 | Zig:18   | Noticed a dread lich
255818 | Zig:18   | Killed a dread lich
256285 | Zig:18   | Identified the +4 hand axe of Descent {flame, Fly Will+}
256289 | Zig:18   | Identified the +7 orcbow of Midsummer {flame, rPois rC+
                  | Str-3 Dex+4}
256301 | Zig:18   | Identified the ring of Joom {Ice Will+++ Str-2 Stlth+}
256321 | Zig:18   | Identified the ring "Xeovikk" {Fly rC- AC+4 Stlth+}
256431 | Zig:18   | Identified the +9 war axe of Xite {holy, rF+ rC+}
256435 | Zig:18   | Identified the +1 plate armour of Lupnavvo {Will+}
256444 | Zig:18   | Identified the +5 broad axe "Esaewnan" {freeze, rPois rF+
                  | Str+2}
256466 | Zig:18   | Identified the +11 falchion of the Moon {drain, Will+}
256467 | Zig:18   | Identified the staff "Orequib" {Fly rPois rC+ Ice}
256468 | Zig:18   | Identified the +7 halberd of Kozaqup {freeze, ^Contam
                  | Will+++ rCorr Dex+2}
256469 | Zig:18   | Identified the amulet of Raqoceph {Spirit rC+}
256477 | Zig:18   | Identified the staff "Ter Coho" {Dex+6 Conj}
256481 | Zig:18   | Identified the ring "Rujeti" {rN+ Int+7}
256526 | Zig:18   | Identified the +0 robe of Beauty {Str+3 Slay+3}
256538 | Zig:18   | Identified the +5 battleaxe of the Unkillable {speed, Int-3
                  | Dex+6}
256539 | Zig:18   | Identified the ring "Amigunue" {Fly rF+ rN+ Will+}
256550 | Zig:18   | Identified the +0 ring mail of Hide-and-Seek {rPois Dex+2}
256555 | Zig:18   | Identified the ring "Lulet" {Int+6 Dex+4 Slay+2}
256590 | Zig:19   | Entered Level 19 of a ziggurat
256691 | Zig:19   | Identified the ring "Nadicep" {Int+6 SInv}
256722 | Zig:19   | Identified the +6 sling "Duentouh" {elec, +Blink Dex+2}
256748 | Zig:19   | Identified the +10 halberd of Harmony {drain, Str+3 Int+4}
257466 | Zig:20   | Entered Level 20 of a ziggurat
258167 | Zig:20   | Identified the +7 rapier of Sulphur {elec, rF+ Int+6 Dex-5
                  | Stlth+}
258179 | Zig:20   | Identified the amulet "Cinwof" {RegenMP -Tele Harm rCorr
                  | Stlth+}
258217 | Zig:20   | Identified the +4 chain mail of Aqabef {rCorr}
258235 | Zig:20   | Identified the +0 rapier of Moxoj {holy, rF+}
258250 | Zig:20   | Identified the +8 mace "Pendulum" {freeze, rPois rF+++
                  | Str-2 Stlth+}
258259 | Zig:20   | Identified the +2 morningstar "Ykluam" {freeze, rF+ rC-
                  | rCorr Dex+3}
258264 | Zig:20   | Identified the staff of the Bouncing Nights {rElec rCorr
                  | Int+7 Hexes Air}
258265 | Zig:20   | Identified the +6 chain mail of Liuza {Str+4}
258269 | Zig:20   | Identified the +7 trident "Moinleat" {freeze, ^Fragile
                  | rElec rC+ Will++}
258272 | Zig:20   | Identified the staff of the Mauling Scavenger {rElec rPois
                  | Str+4 Int-3 Dex+2 Air}
258280 | Zig:20   | Identified the staff "Spiderslayer" {^Drain Will+ rCorr
                  | Int+5 Earth}
258299 | Zig:20   | Identified the amulet "Moenkyn" {Regen+ Str+4 Dex+3 Stlth+}
258307 | Zig:20   | Identified the +6 falchion "Conservator" {spect, *Noise Fly
                  | Int+5}
258309 | Zig:20   | Identified the +0 chain mail "Cabir" {rPois rC- rCorr
                  | Dex+3}
258380 | Zig:21   | Entered Level 21 of a ziggurat
258380 | Zig:21   | Noticed a royal mummy
258380 | Zig:21   | Noticed a royal mummy
258380 | Zig:21   | Noticed a royal mummy
258380 | Zig:21   | Noticed a royal mummy
258380 | Zig:21   | Noticed a royal mummy
258380 | Zig:21   | Noticed a royal mummy
258380 | Zig:21   | Noticed a royal mummy
258380 | Zig:21   | Noticed a royal mummy
258380 | Zig:21   | Noticed a royal mummy
258380 | Zig:21   | Noticed a royal mummy
258380 | Zig:21   | Noticed a royal mummy
258380 | Zig:21   | Noticed a royal mummy
258380 | Zig:21   | Noticed a royal mummy
258380 | Zig:21   | Noticed a royal mummy
258380 | Zig:21   | Noticed a royal mummy
258382 | Zig:21   | Killed a royal mummy
258382 | Zig:21   | Killed a royal mummy
258382 | Zig:21   | Killed a royal mummy
258382 | Zig:21   | Killed a royal mummy
258382 | Zig:21   | Killed a royal mummy
258382 | Zig:21   | Killed a royal mummy
258382 | Zig:21   | Killed a royal mummy
258382 | Zig:21   | Killed a royal mummy
258382 | Zig:21   | Killed a royal mummy
258382 | Zig:21   | Killed a royal mummy
258382 | Zig:21   | Killed a royal mummy
258382 | Zig:21   | Killed a royal mummy
258383 | Zig:21   | Noticed a royal mummy
258384 | Zig:21   | Noticed a royal mummy
258384 | Zig:21   | Noticed a royal mummy
258385 | Zig:21   | Killed a royal mummy
258385 | Zig:21   | Killed a royal mummy
258385 | Zig:21   | Killed a royal mummy
258385 | Zig:21   | Killed a royal mummy
258385 | Zig:21   | Noticed a royal mummy
258387 | Zig:21   | Noticed a royal mummy
258387 | Zig:21   | Noticed a royal mummy
258387 | Zig:21   | Noticed a royal mummy
258388 | Zig:21   | Noticed a royal mummy
258389 | Zig:21   | Noticed a royal mummy
258389 | Zig:21   | Noticed a royal mummy
258389 | Zig:21   | Noticed a royal mummy
258389 | Zig:21   | Noticed a royal mummy
258389 | Zig:21   | Noticed a royal mummy
258389 | Zig:21   | Noticed a royal mummy
258390 | Zig:21   | Killed a royal mummy
258390 | Zig:21   | Killed a royal mummy
258390 | Zig:21   | Killed a royal mummy
258390 | Zig:21   | Killed a royal mummy
258390 | Zig:21   | Killed a royal mummy
258390 | Zig:21   | Killed a royal mummy
258390 | Zig:21   | Killed a royal mummy
258390 | Zig:21   | Killed a royal mummy
258390 | Zig:21   | Killed a royal mummy
258390 | Zig:21   | Killed a royal mummy
258390 | Zig:21   | Killed a royal mummy
258390 | Zig:21   | Noticed a royal mummy
258390 | Zig:21   | Noticed a royal mummy
258391 | Zig:21   | Noticed a royal mummy
258391 | Zig:21   | Noticed a royal mummy
258391 | Zig:21   | Noticed a royal mummy
258391 | Zig:21   | Noticed a royal mummy
258391 | Zig:21   | Noticed a royal mummy
258391 | Zig:21   | Noticed a royal mummy
258392 | Zig:21   | Noticed a royal mummy
258392 | Zig:21   | Killed a royal mummy
258393 | Zig:21   | Killed a royal mummy
258393 | Zig:21   | Killed a royal mummy
258393 | Zig:21   | Killed a royal mummy
258393 | Zig:21   | Killed a royal mummy
258393 | Zig:21   | Killed a royal mummy
258393 | Zig:21   | Killed a royal mummy
258393 | Zig:21   | Killed a royal mummy
258393 | Zig:21   | Killed a royal mummy
258393 | Zig:21   | Noticed a royal mummy
258394 | Zig:21   | Noticed a royal mummy
258394 | Zig:21   | Noticed a royal mummy
258394 | Zig:21   | Noticed a royal mummy
258394 | Zig:21   | Noticed a royal mummy
258394 | Zig:21   | Noticed a royal mummy
258395 | Zig:21   | Noticed a royal mummy
258395 | Zig:21   | Noticed a royal mummy
258395 | Zig:21   | Noticed a royal mummy
258395 | Zig:21   | Noticed a royal mummy
258395 | Zig:21   | Noticed a royal mummy
258396 | Zig:21   | Killed a royal mummy
258396 | Zig:21   | Killed a royal mummy
258396 | Zig:21   | Killed a royal mummy
258396 | Zig:21   | Killed a royal mummy
258396 | Zig:21   | Killed a royal mummy
258396 | Zig:21   | Killed a royal mummy
258396 | Zig:21   | Killed a royal mummy
258396 | Zig:21   | Killed a royal mummy
258396 | Zig:21   | Killed a royal mummy
258396 | Zig:21   | Killed a royal mummy
258396 | Zig:21   | Killed a royal mummy
258396 | Zig:21   | Killed a royal mummy
258396 | Zig:21   | Noticed a royal mummy
258396 | Zig:21   | Noticed a royal mummy
258396 | Zig:21   | Noticed a royal mummy
258397 | Zig:21   | Noticed a royal mummy
258397 | Zig:21   | Noticed a royal mummy
258397 | Zig:21   | Noticed a royal mummy
258398 | Zig:21   | Killed a royal mummy
258398 | Zig:21   | Killed a royal mummy
258398 | Zig:21   | Killed a royal mummy
258398 | Zig:21   | Killed a royal mummy
258398 | Zig:21   | Noticed a royal mummy
258398 | Zig:21   | Noticed a royal mummy
258398 | Zig:21   | Noticed a royal mummy
258399 | Zig:21   | Killed a royal mummy
258399 | Zig:21   | Noticed a royal mummy
258400 | Zig:21   | Noticed a royal mummy
258400 | Zig:21   | Noticed a royal mummy
258400 | Zig:21   | Noticed a royal mummy
258401 | Zig:21   | Killed a royal mummy
258401 | Zig:21   | Killed a royal mummy
258401 | Zig:21   | Killed a royal mummy
258401 | Zig:21   | Killed a royal mummy
258401 | Zig:21   | Killed a royal mummy
258401 | Zig:21   | Killed a royal mummy
258401 | Zig:21   | Killed a royal mummy
258401 | Zig:21   | Noticed a royal mummy
258401 | Zig:21   | Noticed a royal mummy
258401 | Zig:21   | Noticed a royal mummy
258402 | Zig:21   | Noticed a royal mummy
258402 | Zig:21   | Noticed a royal mummy
258402 | Zig:21   | Noticed a royal mummy
258402 | Zig:21   | Killed a royal mummy
258402 | Zig:21   | Killed a royal mummy
258402 | Zig:21   | Killed a royal mummy
258403 | Zig:21   | Killed a royal mummy
258403 | Zig:21   | Killed a royal mummy
258403 | Zig:21   | Killed a royal mummy
258403 | Zig:21   | Killed a royal mummy
258403 | Zig:21   | Noticed a royal mummy
258404 | Zig:21   | Noticed a royal mummy
258404 | Zig:21   | Noticed a royal mummy
258404 | Zig:21   | Noticed a royal mummy
258404 | Zig:21   | Noticed a royal mummy
258404 | Zig:21   | Noticed a royal mummy
258405 | Zig:21   | Killed a royal mummy
258405 | Zig:21   | Killed a royal mummy
258405 | Zig:21   | Killed a royal mummy
258405 | Zig:21   | Killed a royal mummy
258405 | Zig:21   | Killed a royal mummy
258405 | Zig:21   | Killed a royal mummy
258405 | Zig:21   | Noticed a royal mummy
258406 | Zig:21   | Noticed a royal mummy
258406 | Zig:21   | Noticed a royal mummy
258407 | Zig:21   | Killed a royal mummy
258407 | Zig:21   | Killed a royal mummy
258407 | Zig:21   | Killed a royal mummy
258409 | Zig:21   | Killed a royal mummy
258409 | Zig:21   | Killed a royal mummy
258409 | Zig:21   | Killed a royal mummy
258409 | Zig:21   | Noticed a royal mummy
258410 | Zig:21   | Noticed a royal mummy
258411 | Zig:21   | Killed a royal mummy
258412 | Zig:21   | Noticed a royal mummy
258412 | Zig:21   | Noticed a royal mummy
258413 | Zig:21   | Noticed a royal mummy
258413 | Zig:21   | Noticed a royal mummy
258413 | Zig:21   | Noticed a royal mummy
258413 | Zig:21   | Noticed a royal mummy
258414 | Zig:21   | Killed a royal mummy
258414 | Zig:21   | Killed a royal mummy
258414 | Zig:21   | Killed a royal mummy
258414 | Zig:21   | Killed a royal mummy
258416 | Zig:21   | Noticed a royal mummy
258416 | Zig:21   | Noticed a royal mummy
258417 | Zig:21   | Killed a royal mummy
258417 | Zig:21   | Killed a royal mummy
258418 | Zig:21   | Killed a royal mummy
258423 | Zig:21   | Noticed a royal mummy
258423 | Zig:21   | Noticed a royal mummy
258423 | Zig:21   | Noticed a royal mummy
258424 | Zig:21   | Killed a royal mummy
258424 | Zig:21   | Killed a royal mummy
258424 | Zig:21   | Killed a royal mummy
258425 | Zig:21   | Killed a royal mummy
258427 | Zig:21   | Killed a royal mummy
259153 | Zig:21   | Identified the ring "Addifu Waina" {*Slow rF+ rC++}
259160 | Zig:21   | Identified the ring "Anwingoc" {Fly rF+ SInv}
259163 | Zig:21   | Identified the staff of Jogeajuh {rF+ rC+ Will++ Fire}
259209 | Zig:22   | Entered Level 22 of a ziggurat
259209 | Zig:22   | Noticed a juggernaut
259209 | Zig:22   | Noticed a juggernaut
259209 | Zig:22   | Noticed a juggernaut
259209 | Zig:22   | Noticed a juggernaut
259209 | Zig:22   | Noticed a juggernaut
259209 | Zig:22   | Noticed a juggernaut
259209 | Zig:22   | Noticed a juggernaut
259209 | Zig:22   | Noticed a juggernaut
259209 | Zig:22   | Noticed a juggernaut
259209 | Zig:22   | Noticed a juggernaut
259209 | Zig:22   | Noticed a juggernaut
259209 | Zig:22   | Noticed a juggernaut
259210 | Zig:22   | Killed a juggernaut
259210 | Zig:22   | Killed a juggernaut
259210 | Zig:22   | Killed a juggernaut
259210 | Zig:22   | Killed a juggernaut
259210 | Zig:22   | Killed a juggernaut
259210 | Zig:22   | Killed a juggernaut
259210 | Zig:22   | Killed a juggernaut
259214 | Zig:22   | Killed a juggernaut
259214 | Zig:22   | Killed a juggernaut
259216 | Zig:22   | Noticed a juggernaut
259217 | Zig:22   | Noticed a juggernaut
259217 | Zig:22   | Noticed a juggernaut
259217 | Zig:22   | Noticed a juggernaut
259217 | Zig:22   | Killed a juggernaut
259218 | Zig:22   | Noticed a juggernaut
259218 | Zig:22   | Killed a juggernaut
259218 | Zig:22   | Killed a juggernaut
259219 | Zig:22   | Noticed a juggernaut
259220 | Zig:22   | Noticed a juggernaut
259220 | Zig:22   | Noticed a juggernaut
259220 | Zig:22   | Noticed a juggernaut
259220 | Zig:22   | Noticed a juggernaut
259221 | Zig:22   | Killed a juggernaut
259221 | Zig:22   | Killed a juggernaut
259221 | Zig:22   | Killed a juggernaut
259221 | Zig:22   | Killed a juggernaut
259221 | Zig:22   | Killed a juggernaut
259221 | Zig:22   | Killed a juggernaut
259222 | Zig:22   | Noticed a juggernaut
259223 | Zig:22   | Noticed a juggernaut
259223 | Zig:22   | Noticed a juggernaut
259224 | Zig:22   | Killed a juggernaut
259224 | Zig:22   | Killed a juggernaut
259224 | Zig:22   | Killed a juggernaut
259224 | Zig:22   | Killed a juggernaut
259226 | Zig:22   | Noticed a juggernaut
259226 | Zig:22   | Noticed a juggernaut
259226 | Zig:22   | Noticed a juggernaut
259226 | Zig:22   | Noticed a juggernaut
259226 | Zig:22   | Killed a juggernaut
259226 | Zig:22   | Killed a juggernaut
259227 | Zig:22   | Killed a juggernaut
259227 | Zig:22   | Killed a juggernaut
259227 | Zig:22   | Killed a juggernaut
259228 | Zig:22   | Noticed a juggernaut
259228 | Zig:22   | Noticed a juggernaut
259228 | Zig:22   | Noticed a juggernaut
259228 | Zig:22   | Noticed a juggernaut
259229 | Zig:22   | Noticed a juggernaut
259229 | Zig:22   | Noticed a juggernaut
259229 | Zig:22   | Noticed a juggernaut
259230 | Zig:22   | Killed a juggernaut
259230 | Zig:22   | Killed a juggernaut
259230 | Zig:22   | Killed a juggernaut
259230 | Zig:22   | Killed a juggernaut
259230 | Zig:22   | Killed a juggernaut
259230 | Zig:22   | Killed a juggernaut
259231 | Zig:22   | Noticed a juggernaut
259232 | Zig:22   | Noticed a juggernaut
259233 | Zig:22   | Noticed a juggernaut
259233 | Zig:22   | Killed a juggernaut
259233 | Zig:22   | Killed a juggernaut
259233 | Zig:22   | Noticed a juggernaut
259233 | Zig:22   | Killed a juggernaut
259234 | Zig:22   | Noticed a juggernaut
259236 | Zig:22   | Killed a juggernaut
259236 | Zig:22   | Killed a juggernaut
259236 | Zig:22   | Killed a juggernaut
259236 | Zig:22   | Killed a juggernaut
259236 | Zig:22   | Killed a juggernaut
259238 | Zig:22   | Noticed a juggernaut
259238 | Zig:22   | Noticed a juggernaut
259239 | Zig:22   | Killed a juggernaut
259239 | Zig:22   | Killed a juggernaut
259240 | Zig:22   | Noticed a juggernaut
259241 | Zig:22   | Noticed a juggernaut
259242 | Zig:22   | Killed a juggernaut
259245 | Zig:22   | Killed a juggernaut
259273 | Zig:22   | Killed a juggernaut
260077 | Zig:22   | Identified the ring of Creativity {rPois rF+ rN++ Will+
                  | Str-4}
260079 | Zig:22   | Identified the +0 cloak of the Mashing Gods {rF- Str+9
                  | Dex+4}
260118 | Zig:22   | Identified the +4 broad axe of Veucug {freeze, Fly}
260219 | Zig:23   | Entered Level 23 of a ziggurat
260349 | Zig:23   | Identified the +0 dagger of Watchfulness {heavy, rC++ Will+
                  | Str+3 SInv}
260359 | Zig:23   | Identified the +4 long sword of the Grinning Gods {flame,
                  | rC++ Str-3}
260369 | Zig:23   | Identified the +8 scimitar of Putrescence {flame, rC+ rCorr
                  | Int+6}
260371 | Zig:23   | Identified the +1 troll leather armour "Parowoar" {*Slow
                  | Regen+ rCorr Dex+2}
260376 | Zig:23   | Identified the ring "Illadyrph" {Will+ Dex+3}
260398 | Zig:23   | Identified the +7 scale mail of the Special Lovers
                  | {*Corrode rN++ Regen+ Dex+3}
260400 | Zig:23   | Identified the +2 pair of boots of Parlour Games {Harm
                  | rPois Dex+3}
260401 | Zig:23   | Identified the +1 scale mail "Utillot" {Harm Fly}
260404 | Zig:23   | Identified the +1 sling of the Past {freeze, rF+ Dex+3}
260417 | Zig:23   | Identified the staff of Doubt {rC+ Int+3 Ice}
260454 | Zig:23   | Identified the amulet of Moral Flaws {Acrobat rElec}
260458 | Zig:23   | Identified the ring of Peeseschy {rF++ rN+ Str+6}
260536 | Zig:23   | Identified the +0 chain mail of the Blizzard {rPois rC+ rN+
                  | SInv}
260538 | Zig:23   | Identified the ring "Zotyvofo" {rElec rF+}
261150 | Zig:24   | Entered Level 24 of a ziggurat
261192 | Zig:24   | Identified the staff "Yniokk" {rC+ rN++ Dex+3 Conj}
261758 | Zig:24   | Identified the +5 scale mail "Juum" {^Contam Fly rF+ SInv}
261774 | Zig:24   | Identified the +9 falchion of Wesuifee {holy, Str+3}
261787 | Zig:24   | Identified the +7 chain mail "Mefeuvyqu" {rCorr SInv}
261801 | Zig:24   | Identified the staff of the Slimy God {rElec rPois rC-
                  | Will+ Air Alchemy}
261842 | Zig:24   | Identified the +4 orcbow of Taisom {flame, Str+3 Stlth+}
261849 | Zig:24   | Identified the staff "Osusauna" {rF+ Fire Earth}
261872 | Zig:24   | Identified the +7 shortbow of Quick Death {freeze, ^Fragile
                  | Str+3 Dex+5}
261888 | Zig:24   | Identified the +6 mace of Causality {flame, rC+ Str+4}
261900 | Zig:24   | Identified the +5 dagger of Qosaf {vamp, +Blink Str-4 Dex+4
                  | SInv}
261903 | Zig:24   | Identified the +3 helmet "Ytzujane" {rPois rN+ Str+3 Int-3}
261921 | Zig:24   | Identified the staff of Luydodd {rPois rC+ Str-5 Int+3
                  | Necro Ice}
261922 | Zig:24   | Identified the +7 war axe "Xifog" {heavy, Will+}
261924 | Zig:24   | Identified the +2 pair of gloves "Pabboacs" {rF+ rC++ Str-3
                  | Stlth+}
261930 | Zig:24   | Identified the ring "Vial" {Fly rF+ Slay+4}
261932 | Zig:24   | Identified the +3 plate armour of Uxioj {rF+ Dex+5 SInv}
261939 | Zig:24   | Identified the ring of Jyliga {Will++ Int+3 Dex+6 Stlth+}
261952 | Zig:24   | Identified the +7 sling "Lioryn" {speed, rN+ SInv Stlth+}
261953 | Zig:24   | Identified the +2 robe of the Minstrel {Str+2}
261967 | Zig:24   | Identified the +3 rapier of Calamity {vamp, Int+7}
261969 | Zig:24   | Identified the staff of Kynos Amu {rElec rPois Dex+2
                  | Alchemy}
262150 | Zig:25   | Entered Level 25 of a ziggurat
262202 | Zig:25   | Identified the staff of Glory {rC- rN+ Str+6 Necro}
262291 | Zig:25   | Identified the +1 scimitar of the Many Continents {heavy,
                  | Will+ Int+3}
262294 | Zig:25   | Identified the ring "Ypouqif" {Wiz ^Drain rC+ Int+2}
262299 | Zig:25   | Identified the +6 chain mail of Xorhiudo {Dex+7}
262306 | Zig:25   | Identified the +0 scale mail "Gontaip" {Harm Int+3}
262348 | Zig:25   | Identified the +7 mace of Houfu {venom, +Blink}
262374 | Zig:25   | Identified the +2 spear "Hydra's Demise" {freeze, ^Drain
                  | Str+5}
262414 | Zig:25   | Identified the staff "Orb Guardian's Doom" {+Blink rElec
                  | rN+ Str-5 Necro Earth}
262416 | Zig:25   | Identified the +10 mace of Qetihoin {antimagic, rN+ Dex+4}
262452 | Zig:25   | Identified the ring of the Blue Skies {Wiz rElec Int+2
                  | Slay+2}
262504 | Zig:25   | Identified the staff of Tiwnaz {*Slow Fly Int+5 Stlth+
                  | Earth}
262517 | Zig:25   | Identified the +0 buckler of Failure {rF+ rC+}
263255 | Zig:26   | Entered Level 26 of a ziggurat
263374 | Zig:26   | Noticed an ancient lich
263384 | Zig:26   | Noticed a dread lich
263386 | Zig:26   | Killed a dread lich
263411 | Zig:26   | Killed an ancient lich
264061 | Zig:26   | Identified the +3 trident of Dawn {venom, rF- rN++ Dex+6}
264063 | Zig:26   | Identified the staff of Beyond {rF+ rN+ Dex-4 SInv Fire}
264071 | Zig:26   | Identified the +9 quarterstaff "Gargoyle's Foe" {spect,
                  | Str+3 Int+3 Stlth-}
264072 | Zig:26   | Identified the ring "Gegemudd" {rElec rPois rF+ rCorr
                  | Str+2}
264085 | Zig:26   | Identified the staff of Discord {rF+ rC+ Fire}
264089 | Zig:26   | Identified the +1 hand axe of Purpose {freeze, rElec Dex+3}
264090 | Zig:26   | Identified the +5 falchion "Trog's Scorn" {drain, rF+
                  | Will++ Str+2 Int+3 Dex+3}
264091 | Zig:26   | Identified the +2 battleaxe "Xepept" {flame, rF+}
264092 | Zig:26   | Identified the +1 ring mail of Shadows and Fog {Str+4}
264095 | Zig:26   | Identified the +0 leather armour "Jisik" {Will- Int+5
                  | Dex+4}
264203 | Zig:27   | Entered Level 27 of a ziggurat
264208 | Zig:27   | Noticed Emischuid the pandemonium lord
264208 | Zig:27   | Noticed Zacukhu the pandemonium lord
264209 | Zig:27   | Noticed Upuosk the pandemonium lord
264211 | Zig:27   | Noticed Bep Cibe the pandemonium lord
264212 | Zig:27   | Killed Zacukhu the pandemonium lord
264212 | Zig:27   | Killed Emischuid the pandemonium lord
264212 | Zig:27   | Killed Upuosk the pandemonium lord
264212 | Zig:27   | Noticed Zijap the pandemonium lord
264214 | Zig:27   | Noticed Necalle the pandemonium lord
264215 | Zig:27   | Killed Zijap the pandemonium lord
264216 | Zig:27   | Noticed Joheorch the pandemonium lord
264216 | Zig:27   | Noticed Ystruut the pandemonium lord
264216 | Zig:27   | Noticed Kaig the pandemonium lord
264216 | Zig:27   | Noticed Maemiux the pandemonium lord
264217 | Zig:27   | Killed Joheorch the pandemonium lord
264217 | Zig:27   | Noticed Quyfiq the pandemonium lord
264217 | Zig:27   | Noticed Vor Iph the pandemonium lord
264218 | Zig:27   | Killed Bep Cibe the pandemonium lord
264218 | Zig:27   | Killed Ystruut the pandemonium lord
264218 | Zig:27   | Noticed Ekhlentio the pandemonium lord
264219 | Zig:27   | Noticed Menlor the pandemonium lord
264219 | Zig:27   | Killed Quyfiq the pandemonium lord
264219 | Zig:27   | Noticed Mopteu Aliz the pandemonium lord
264219 | Zig:27   | Noticed Jaeskehe the pandemonium lord
264219 | Zig:27   | Noticed Doiqidoe the pandemonium lord
264219 | Zig:27   | Noticed Jaurgh the pandemonium lord
264219 | Zig:27   | Killed Wobb the pandemonium lord
264220 | Zig:27   | Noticed Jeheyss the pandemonium lord
264220 | Zig:27   | Noticed Hesunut the pandemonium lord
264220 | Zig:27   | Noticed Wobluiki the pandemonium lord
264220 | Zig:27   | Noticed Gurchudu the pandemonium lord
264220 | Zig:27   | Noticed Fynk the pandemonium lord
264221 | Zig:27   | Noticed Hionurch the pandemonium lord
264221 | Zig:27   | Noticed Zajown the pandemonium lord
264221 | Zig:27   | Noticed Waurhuyvu the pandemonium lord
264222 | Zig:27   | Killed Maemiux the pandemonium lord
264222 | Zig:27   | Noticed Bayr the pandemonium lord
264223 | Zig:27   | Killed Menlor the pandemonium lord
264223 | Zig:27   | Killed Hesunut the pandemonium lord
264223 | Zig:27   | Killed Waurhuyvu the pandemonium lord
264223 | Zig:27   | Killed Fynk the pandemonium lord
264223 | Zig:27   | Noticed Mudamub the pandemonium lord
264224 | Zig:27   | Noticed Tadunaipp the pandemonium lord
264224 | Zig:27   | Killed Necalle the pandemonium lord
264224 | Zig:27   | Killed Mopteu Aliz the pandemonium lord
264226 | Zig:27   | Killed Gurchudu the pandemonium lord
264226 | Zig:27   | Noticed Lirphaz the pandemonium lord
264226 | Zig:27   | Noticed Numnij the pandemonium lord
264227 | Zig:27   | Killed Jaurgh the pandemonium lord
264227 | Zig:27   | Killed Wobluiki the pandemonium lord
264227 | Zig:27   | Noticed Goirph the pandemonium lord
264227 | Zig:27   | Noticed Edyt Zuf the pandemonium lord
264227 | Zig:27   | Noticed Rixzaepu the pandemonium lord
264227 | Zig:27   | Noticed Sohoikk the pandemonium lord
264228 | Zig:27   | Killed Doiqidoe the pandemonium lord
264228 | Zig:27   | Noticed Idghalu the pandemonium lord
264228 | Zig:27   | Noticed Guris the pandemonium lord
264229 | Zig:27   | Killed Goirph the pandemonium lord
264229 | Zig:27   | Noticed Vizun the pandemonium lord
264229 | Zig:27   | Noticed Ukonliwia the pandemonium lord
264229 | Zig:27   | Noticed Yrrugroh the pandemonium lord
264229 | Zig:27   | Noticed Xireyg the pandemonium lord
264229 | Zig:27   | Noticed Myciodenn the pandemonium lord
264230 | Zig:27   | Killed Ekhlentio the pandemonium lord
264230 | Zig:27   | Killed Bayr the pandemonium lord
264230 | Zig:27   | Killed Rixzaepu the pandemonium lord
264230 | Zig:27   | Killed Zajown the pandemonium lord
264230 | Zig:27   | Killed Kaig the pandemonium lord
264230 | Zig:27   | Killed Mudamub the pandemonium lord
264230 | Zig:27   | Killed Tadunaipp the pandemonium lord
264231 | Zig:27   | Killed Jaeskehe the pandemonium lord
264231 | Zig:27   | Killed Hionurch the pandemonium lord
264231 | Zig:27   | Killed Idghalu the pandemonium lord
264231 | Zig:27   | Killed Edyt Zuf the pandemonium lord
264231 | Zig:27   | Noticed Vykosou the pandemonium lord
264232 | Zig:27   | Noticed Heonk the pandemonium lord
264232 | Zig:27   | Noticed Sakhaper the pandemonium lord
264233 | Zig:27   | Noticed Nuwow the pandemonium lord
264235 | Zig:27   | Killed Sohoikk the pandemonium lord
264235 | Zig:27   | Killed Vor Iph the pandemonium lord
264235 | Zig:27   | Killed Numnij the pandemonium lord
264235 | Zig:27   | Killed Vizun the pandemonium lord
264235 | Zig:27   | Killed Ceitopued the pandemonium lord
264235 | Zig:27   | Killed Xireyg the pandemonium lord
264235 | Zig:27   | Noticed Dinolu the pandemonium lord
264236 | Zig:27   | Noticed Arunitye the pandemonium lord
264237 | Zig:27   | Noticed Ziubbyxatz the pandemonium lord
264237 | Zig:27   | Noticed Adally the pandemonium lord
264237 | Zig:27   | Noticed Qumai the pandemonium lord
264239 | Zig:27   | Noticed Umopneavi the pandemonium lord
264240 | Zig:27   | Killed Lirphaz the pandemonium lord
264241 | Zig:27   | Noticed Qamuq the pandemonium lord
264241 | Zig:27   | Noticed Kerayqeps the pandemonium lord
264242 | Zig:27   | Killed Vykosou the pandemonium lord
264242 | Zig:27   | Killed Guris the pandemonium lord
264242 | Zig:27   | Killed Myciodenn the pandemonium lord
264242 | Zig:27   | Killed Heonk the pandemonium lord
264242 | Zig:27   | Noticed Woxoduf the pandemonium lord
264243 | Zig:27   | Noticed Lexud the pandemonium lord
264243 | Zig:27   | Noticed Laclauri the pandemonium lord
264243 | Zig:27   | Killed Yrrugroh the pandemonium lord
264243 | Zig:27   | Noticed Osaroid the pandemonium lord
264243 | Zig:27   | Noticed Pouf the pandemonium lord
264244 | Zig:27   | Killed Ukonliwia the pandemonium lord
264244 | Zig:27   | Killed Jeheyss the pandemonium lord
264244 | Zig:27   | Killed Arunitye the pandemonium lord
264244 | Zig:27   | Killed Nuwow the pandemonium lord
264244 | Zig:27   | Noticed Vewnim the pandemonium lord
264244 | Zig:27   | Noticed Meedi the pandemonium lord
264244 | Zig:27   | Noticed Ulakoism the pandemonium lord
264245 | Zig:27   | Noticed Kioxupe the pandemonium lord
264246 | Zig:27   | Noticed Iczo the pandemonium lord
264246 | Zig:27   | Killed Sakhaper the pandemonium lord
264246 | Zig:27   | Killed Laclauri the pandemonium lord
264246 | Zig:27   | Killed Kerayqeps the pandemonium lord
264246 | Zig:27   | Killed Osaroid the pandemonium lord
264246 | Zig:27   | Noticed Zowud the pandemonium lord
264246 | Zig:27   | Noticed Kiafimar the pandemonium lord
264247 | Zig:27   | Killed Dinolu the pandemonium lord
264247 | Zig:27   | Killed Qamuq the pandemonium lord
264247 | Zig:27   | Killed Woxoduf the pandemonium lord
264247 | Zig:27   | Killed Qumai the pandemonium lord
264247 | Zig:27   | Noticed Fodan the pandemonium lord
264248 | Zig:27   | Noticed Cuheutu Lorph the pandemonium lord
264248 | Zig:27   | Killed Adally the pandemonium lord
264248 | Zig:27   | Killed Zowud the pandemonium lord
264248 | Zig:27   | Killed Kioxupe the pandemonium lord
264248 | Zig:27   | Killed Kiafimar the pandemonium lord
264248 | Zig:27   | Noticed Fuobror the pandemonium lord
264249 | Zig:27   | Noticed Niupac the pandemonium lord
264249 | Zig:27   | Killed Cuheutu Lorph the pandemonium lord
264249 | Zig:27   | Killed Umopneavi the pandemonium lord
264249 | Zig:27   | Killed Ziubbyxatz the pandemonium lord
264249 | Zig:27   | Killed Ulakoism the pandemonium lord
264249 | Zig:27   | Noticed Boydugoth the pandemonium lord
264249 | Zig:27   | Noticed Zotrimic the pandemonium lord
264249 | Zig:27   | Killed Lexud the pandemonium lord
264249 | Zig:27   | Killed Vewnim the pandemonium lord
264250 | Zig:27   | Killed Iczo the pandemonium lord
264250 | Zig:27   | Killed Meedi the pandemonium lord
264250 | Zig:27   | Killed Niupac the pandemonium lord
264250 | Zig:27   | Killed Pouf the pandemonium lord
264250 | Zig:27   | Killed Fodan the pandemonium lord
264250 | Zig:27   | Killed Boydugoth the pandemonium lord
264250 | Zig:27   | Killed Fuobror the pandemonium lord
264250 | Zig:27   | Noticed Utroc Nuawn the pandemonium lord
264250 | Zig:27   | Noticed Tuus the pandemonium lord
264251 | Zig:27   | Killed Fyijial the pandemonium lord
264251 | Zig:27   | Noticed Izotek the pandemonium lord
264251 | Zig:27   | Noticed Mobusosy the pandemonium lord
264252 | Zig:27   | Noticed Qegg the pandemonium lord
264252 | Zig:27   | Noticed Upnatyk the pandemonium lord
264253 | Zig:27   | Noticed Ugiot the pandemonium lord
264253 | Zig:27   | Noticed Qotudiq the pandemonium lord
264254 | Zig:27   | Noticed Wuifali the pandemonium lord
264254 | Zig:27   | Noticed Ixiod the pandemonium lord
264254 | Zig:27   | Noticed Oduwnulo the pandemonium lord
264254 | Zig:27   | Noticed Umisiuck the pandemonium lord
264256 | Zig:27   | Killed Zotrimic the pandemonium lord
264256 | Zig:27   | Killed Ixiod the pandemonium lord
264256 | Zig:27   | Killed Oduwnulo the pandemonium lord
264256 | Zig:27   | Killed Feirph the pandemonium lord
264256 | Zig:27   | Noticed Jeluusiu the pandemonium lord
264257 | Zig:27   | Killed Upnatyk the pandemonium lord
264257 | Zig:27   | Killed Utroc Nuawn the pandemonium lord
264257 | Zig:27   | Killed Zomposyso the pandemonium lord
264257 | Zig:27   | Noticed Dolutz the pandemonium lord
264257 | Zig:27   | Noticed Guwam the pandemonium lord
264258 | Zig:27   | Killed Izotek the pandemonium lord
264258 | Zig:27   | Killed Umisiuck the pandemonium lord
264258 | Zig:27   | Killed Ugiot the pandemonium lord
264258 | Zig:27   | Killed Dolutz the pandemonium lord
264258 | Zig:27   | Noticed Wiugreni the pandemonium lord
264258 | Zig:27   | Noticed Haehiy the pandemonium lord
264258 | Zig:27   | Noticed Yssenyal the pandemonium lord
264259 | Zig:27   | Noticed Rocwyot the pandemonium lord
264259 | Zig:27   | Noticed Iczox the pandemonium lord
264259 | Zig:27   | Noticed Viskof the pandemonium lord
264259 | Zig:27   | Noticed Wigomm the pandemonium lord
264259 | Zig:27   | Noticed Nasoxysu the pandemonium lord
264260 | Zig:27   | Noticed Uwadide the pandemonium lord
264260 | Zig:27   | Killed Qegg the pandemonium lord
264260 | Zig:27   | Noticed Wonwoewi the pandemonium lord
264261 | Zig:27   | Noticed Zicint the pandemonium lord
264261 | Zig:27   | Noticed Piunaumu the pandemonium lord
264262 | Zig:27   | Noticed Caec the pandemonium lord
264262 | Zig:27   | Killed Qotudiq the pandemonium lord
264262 | Zig:27   | Killed Jeluusiu the pandemonium lord
264262 | Zig:27   | Killed Iczox the pandemonium lord
264262 | Zig:27   | Killed Wiugreni the pandemonium lord
264262 | Zig:27   | Killed Viskof the pandemonium lord
264262 | Zig:27   | Killed Uwadide the pandemonium lord
264262 | Zig:27   | Noticed Atuotez the pandemonium lord
264262 | Zig:27   | Noticed Bakussux the pandemonium lord
264263 | Zig:27   | Killed Mobusosy the pandemonium lord
264264 | Zig:27   | Noticed Plog the pandemonium lord
264264 | Zig:27   | Noticed Pyuno the pandemonium lord
264265 | Zig:27   | Killed Tuus the pandemonium lord
264265 | Zig:27   | Killed Caec the pandemonium lord
264266 | Zig:27   | Killed Guwam the pandemonium lord
264266 | Zig:27   | Killed Zicint the pandemonium lord
264266 | Zig:27   | Killed Wuifali the pandemonium lord
264266 | Zig:27   | Killed Pyuno the pandemonium lord
264266 | Zig:27   | Killed Plog the pandemonium lord
264266 | Zig:27   | Noticed Jorghozi the pandemonium lord
264267 | Zig:27   | Killed Haehiy the pandemonium lord
264267 | Zig:27   | Killed Piunaumu the pandemonium lord
264267 | Zig:27   | Killed Nasoxysu the pandemonium lord
264267 | Zig:27   | Noticed Ukagulec the pandemonium lord
264267 | Zig:27   | Noticed Puhol the pandemonium lord
264268 | Zig:27   | Killed Yssenyal the pandemonium lord
264268 | Zig:27   | Killed Bakussux the pandemonium lord
264268 | Zig:27   | Killed Wonwoewi the pandemonium lord
264268 | Zig:27   | Noticed Azileuk the pandemonium lord
264268 | Zig:27   | Noticed Jotrikez the pandemonium lord
264268 | Zig:27   | Noticed Maeshius the pandemonium lord
264268 | Zig:27   | Noticed Regued the pandemonium lord
264269 | Zig:27   | Noticed Zonomih the pandemonium lord
264269 | Zig:27   | Killed Jorghozi the pandemonium lord
264269 | Zig:27   | Noticed Fegao the pandemonium lord
264270 | Zig:27   | Killed Rocwyot the pandemonium lord
264270 | Zig:27   | Killed Ukagulec the pandemonium lord
264270 | Zig:27   | Noticed Qolaufix the pandemonium lord
264270 | Zig:27   | Noticed Qaatz the pandemonium lord
264271 | Zig:27   | Noticed Mauxeoxi the pandemonium lord
264271 | Zig:27   | Killed Atuotez the pandemonium lord
264271 | Zig:27   | Noticed Girchunoe the pandemonium lord
264271 | Zig:27   | Noticed Xuzomeyg the pandemonium lord
264272 | Zig:27   | Noticed Vecuful the pandemonium lord
264272 | Zig:27   | Noticed Vaaguz the pandemonium lord
264272 | Zig:27   | Noticed Eschump the pandemonium lord
264273 | Zig:27   | Noticed Unong the pandemonium lord
264273 | Zig:27   | Killed Jotrikez the pandemonium lord
264273 | Zig:27   | Killed Zonomih the pandemonium lord
264273 | Zig:27   | Noticed Goab the pandemonium lord
264274 | Zig:27   | Noticed Nelear the pandemonium lord
264275 | Zig:27   | Killed Maeshius the pandemonium lord
264275 | Zig:27   | Noticed Pageilef the pandemonium lord
264276 | Zig:27   | Noticed Rutigeho the pandemonium lord
264276 | Zig:27   | Noticed Urchozae the pandemonium lord
264276 | Zig:27   | Noticed Sekhimn the pandemonium lord
264277 | Zig:27   | Noticed Pooma the pandemonium lord
264277 | Zig:27   | Killed Eschump the pandemonium lord
264277 | Zig:27   | Killed Qolaufix the pandemonium lord
264277 | Zig:27   | Killed Qaatz the pandemonium lord
264277 | Zig:27   | Killed Xuzomeyg the pandemonium lord
264277 | Zig:27   | Killed Goab the pandemonium lord
264277 | Zig:27   | Noticed Odish the pandemonium lord
264277 | Zig:27   | Killed Girchunoe the pandemonium lord
264277 | Zig:27   | Noticed Enup the pandemonium lord
264278 | Zig:27   | Noticed Sofeunasch the pandemonium lord
264278 | Zig:27   | Noticed Peimp the pandemonium lord
264279 | Zig:27   | Killed Regued the pandemonium lord
264279 | Zig:27   | Killed Wigomm the pandemonium lord
264279 | Zig:27   | Killed Vecuful the pandemonium lord
264279 | Zig:27   | Killed Pageilef the pandemonium lord
264279 | Zig:27   | Killed Unong the pandemonium lord
264279 | Zig:27   | Noticed Etoxab the pandemonium lord
264279 | Zig:27   | Noticed Cyduuggere the pandemonium lord
264279 | Zig:27   | Noticed Pypor the pandemonium lord
264280 | Zig:27   | Killed Enup the pandemonium lord
264280 | Zig:27   | Killed Fegao the pandemonium lord
264280 | Zig:27   | Noticed Lestunloa the pandemonium lord
264281 | Zig:27   | Noticed Ollovunt the pandemonium lord
264281 | Zig:27   | Noticed Rin Cucku the pandemonium lord
264281 | Zig:27   | Noticed Utossuli the pandemonium lord
264281 | Zig:27   | Killed Etuq the pandemonium lord
264281 | Zig:27   | Killed Vaaguz the pandemonium lord
264282 | Zig:27   | Killed Urchozae the pandemonium lord
264282 | Zig:27   | Killed Nelear the pandemonium lord
264282 | Zig:27   | Killed Pooma the pandemonium lord
264282 | Zig:27   | Killed Peimp the pandemonium lord
264282 | Zig:27   | Killed Puhol the pandemonium lord
264282 | Zig:27   | Killed Mauxeoxi the pandemonium lord
264282 | Zig:27   | Noticed Roghudon the pandemonium lord
264282 | Zig:27   | Noticed Talupat the pandemonium lord
264282 | Zig:27   | Noticed Sobaj the pandemonium lord
264283 | Zig:27   | Killed Rutigeho the pandemonium lord
264283 | Zig:27   | Killed Cyduuggere the pandemonium lord
264283 | Zig:27   | Killed Odish the pandemonium lord
264283 | Zig:27   | Noticed Adarpho the pandemonium lord
264283 | Zig:27   | Noticed Homusa the pandemonium lord
264283 | Zig:27   | Noticed Vurojeud the pandemonium lord
264284 | Zig:27   | Killed Sekhimn the pandemonium lord
264284 | Zig:27   | Killed Etoxab the pandemonium lord
264284 | Zig:27   | Killed Sofeunasch the pandemonium lord
264284 | Zig:27   | Killed Pypor the pandemonium lord
264285 | Zig:27   | Noticed Kiwelo the pandemonium lord
264285 | Zig:27   | Noticed Nitwum Diutu the pandemonium lord
264285 | Zig:27   | Noticed Cos Cei the pandemonium lord
264285 | Zig:27   | Noticed Wuxerecu the pandemonium lord
264285 | Zig:27   | Noticed Geenit the pandemonium lord
264285 | Zig:27   | Noticed Zopla the pandemonium lord
264286 | Zig:27   | Noticed Jul Sal the pandemonium lord
264286 | Zig:27   | Killed Roghudon the pandemonium lord
264286 | Zig:27   | Killed Vurojeud the pandemonium lord
264286 | Zig:27   | Killed Lestunloa the pandemonium lord
264287 | Zig:27   | Noticed Coydd the pandemonium lord
264287 | Zig:27   | Noticed Etarpham the pandemonium lord
264287 | Zig:27   | Noticed Heughimo the pandemonium lord
264287 | Zig:27   | Noticed Juepix the pandemonium lord
264287 | Zig:27   | Noticed Pibrat the pandemonium lord
264287 | Zig:27   | Noticed Syulouwk the pandemonium lord
264288 | Zig:27   | Killed Adarpho the pandemonium lord
264288 | Zig:27   | Killed Sobaj the pandemonium lord
264288 | Zig:27   | Killed Ollovunt the pandemonium lord
264288 | Zig:27   | Killed Zopla the pandemonium lord
264288 | Zig:27   | Noticed Noomupp the pandemonium lord
264289 | Zig:27   | Noticed Vyofu the pandemonium lord
264289 | Zig:27   | Noticed Oziozion the pandemonium lord
264289 | Zig:27   | Noticed Pattulikk the pandemonium lord
264289 | Zig:27   | Killed Udool the pandemonium lord
264290 | Zig:27   | Killed Cos Cei the pandemonium lord
264290 | Zig:27   | Killed Pibrat the pandemonium lord
264290 | Zig:27   | Killed Syulouwk the pandemonium lord
264290 | Zig:27   | Killed Azileuk the pandemonium lord
264290 | Zig:27   | Noticed Buhuos the pandemonium lord
264290 | Zig:27   | Noticed Siczyff the pandemonium lord
264290 | Zig:27   | Noticed Xounuf the pandemonium lord
264290 | Zig:27   | Noticed Gywnuofu the pandemonium lord
264291 | Zig:27   | Noticed Ynorutzu the pandemonium lord
264291 | Zig:27   | Noticed Zafedgh the pandemonium lord
264292 | Zig:27   | Noticed Fashrid the pandemonium lord
264294 | Zig:27   | Killed Utossuli the pandemonium lord
264294 | Zig:27   | Killed Homusa the pandemonium lord
264294 | Zig:27   | Noticed Kose Mipp the pandemonium lord
264294 | Zig:27   | Killed Noomupp the pandemonium lord
264295 | Zig:27   | Noticed Gowucuusk the pandemonium lord
264295 | Zig:27   | Noticed Nupisakh the pandemonium lord
264295 | Zig:27   | Noticed Pinuit the pandemonium lord
264295 | Zig:27   | Noticed Somukh the pandemonium lord
264295 | Zig:27   | Noticed Kivo the pandemonium lord
264295 | Zig:27   | Noticed Koqiesk the pandemonium lord
264296 | Zig:27   | Killed Xounuf the pandemonium lord
264296 | Zig:27   | Killed Rin Cucku the pandemonium lord
264296 | Zig:27   | Killed Talupat the pandemonium lord
264296 | Zig:27   | Killed Wuxerecu the pandemonium lord
264296 | Zig:27   | Killed Heughimo the pandemonium lord
264296 | Zig:27   | Killed Siczyff the pandemonium lord
264296 | Zig:27   | Killed Juepix the pandemonium lord
264296 | Zig:27   | Killed Somukh the pandemonium lord
264296 | Zig:27   | Killed Etarpham the pandemonium lord
264296 | Zig:27   | Killed Reussaf the pandemonium lord
264296 | Zig:27   | Killed Vyofu the pandemonium lord
264296 | Zig:27   | Killed Liro the pandemonium lord
264296 | Zig:27   | Noticed Ythaezec the pandemonium lord
264297 | Zig:27   | Noticed Voxicwak the pandemonium lord
264297 | Zig:27   | Killed Gowucuusk the pandemonium lord
264297 | Zig:27   | Killed Coydd the pandemonium lord
264297 | Zig:27   | Killed Zafedgh the pandemonium lord
264297 | Zig:27   | Killed Fashrid the pandemonium lord
264297 | Zig:27   | Killed Gywnuofu the pandemonium lord
264297 | Zig:27   | Killed Kivo the pandemonium lord
264297 | Zig:27   | Killed Pinuit the pandemonium lord
264297 | Zig:27   | Killed Ynorutzu the pandemonium lord
264297 | Zig:27   | Killed Nitwum Diutu the pandemonium lord
264298 | Zig:27   | Noticed Azxem the pandemonium lord
264298 | Zig:27   | Noticed Ikhlitz the pandemonium lord
264298 | Zig:27   | Noticed Naemefaib the pandemonium lord
264298 | Zig:27   | Noticed Uxaluyph the pandemonium lord
264298 | Zig:27   | Noticed Raecsal the pandemonium lord
264298 | Zig:27   | Killed Oziozion the pandemonium lord
264298 | Zig:27   | Killed Pattulikk the pandemonium lord
264299 | Zig:27   | Killed Jul Sal the pandemonium lord
264299 | Zig:27   | Noticed Nuirotaph the pandemonium lord
264299 | Zig:27   | Noticed Ethraikh the pandemonium lord
264299 | Zig:27   | Noticed Zomepesk the pandemonium lord
264299 | Zig:27   | Noticed Qefary the pandemonium lord
264300 | Zig:27   | Noticed Dil Aket the pandemonium lord
264300 | Zig:27   | Noticed Guefog the pandemonium lord
264300 | Zig:27   | Killed Nupisakh the pandemonium lord
264300 | Zig:27   | Killed Geenit the pandemonium lord
264301 | Zig:27   | Killed Ikhlitz the pandemonium lord
264301 | Zig:27   | Killed Gytaah the pandemonium lord
264301 | Zig:27   | Noticed Fogesiv the pandemonium lord
264302 | Zig:27   | Noticed Ekhibun the pandemonium lord
264302 | Zig:27   | Killed Ythaezec the pandemonium lord
264302 | Zig:27   | Noticed Eviduish the pandemonium lord
264303 | Zig:27   | Killed Azxem the pandemonium lord
264303 | Zig:27   | Killed Kiwelo the pandemonium lord
264303 | Zig:27   | Killed Koqiesk the pandemonium lord
264303 | Zig:27   | Killed Raecsal the pandemonium lord
264303 | Zig:27   | Killed Ethraikh the pandemonium lord
264303 | Zig:27   | Killed Buhuos the pandemonium lord
264303 | Zig:27   | Noticed Laoweissuty the pandemonium lord
264304 | Zig:27   | Noticed Denuunk the pandemonium lord
264304 | Zig:27   | Noticed Muufaps the pandemonium lord
264304 | Zig:27   | Noticed Nevefapt the pandemonium lord
264304 | Zig:27   | Noticed Ifaorrit the pandemonium lord
264304 | Zig:27   | Noticed Dasm the pandemonium lord
264304 | Zig:27   | Noticed Caompempo the pandemonium lord
264304 | Zig:27   | Noticed Texto the pandemonium lord
264304 | Zig:27   | Noticed Oxuzao the pandemonium lord
264304 | Zig:27   | Noticed Poicov the pandemonium lord
264304 | Zig:27   | Killed Yripil the pandemonium lord
264305 | Zig:27   | Noticed Subbowke the pandemonium lord
264305 | Zig:27   | Killed Kose Mipp the pandemonium lord
264305 | Zig:27   | Killed Ekhibun the pandemonium lord
264305 | Zig:27   | Killed Uxaluyph the pandemonium lord
264305 | Zig:27   | Killed Guefog the pandemonium lord
264305 | Zig:27   | Killed Qefary the pandemonium lord
264305 | Zig:27   | Killed Oxuzao the pandemonium lord
264305 | Zig:27   | Noticed Wigud the pandemonium lord
264306 | Zig:27   | Noticed Teurr the pandemonium lord
264306 | Zig:27   | Noticed Opalyfy the pandemonium lord
264306 | Zig:27   | Noticed Dodolal the pandemonium lord
264306 | Zig:27   | Noticed Meobywn the pandemonium lord
264306 | Zig:27   | Noticed Meiqifep the pandemonium lord
264306 | Zig:27   | Noticed Efoalono the pandemonium lord
264307 | Zig:27   | Killed Eviduish the pandemonium lord
264307 | Zig:27   | Killed Muufaps the pandemonium lord
264307 | Zig:27   | Killed Teurr the pandemonium lord
264307 | Zig:27   | Killed Efoalono the pandemonium lord
264307 | Zig:27   | Noticed Ziaxuss the pandemonium lord
264307 | Zig:27   | Killed Pamaifom the pandemonium lord
264307 | Zig:27   | Killed Poicov the pandemonium lord
264307 | Zig:27   | Killed Opalyfy the pandemonium lord
264307 | Zig:27   | Killed Meiqifep the pandemonium lord
264308 | Zig:27   | Noticed Jabbing the pandemonium lord
264309 | Zig:27   | Noticed Kurgh the pandemonium lord
264309 | Zig:27   | Killed Rupolibb the pandemonium lord
264309 | Zig:27   | Killed Meobywn the pandemonium lord
264309 | Zig:27   | Killed Dodolal the pandemonium lord
264309 | Zig:27   | Killed Ziaxuss the pandemonium lord
264311 | Zig:27   | Noticed Ylulydif the pandemonium lord
264311 | Zig:27   | Noticed Picw the pandemonium lord
264311 | Zig:27   | Killed Veet Buyry the pandemonium lord
264311 | Zig:27   | Killed Kaasif the pandemonium lord
264311 | Zig:27   | Killed Nevefapt the pandemonium lord
264311 | Zig:27   | Killed Denuunk the pandemonium lord
264311 | Zig:27   | Killed Texto the pandemonium lord
264311 | Zig:27   | Killed Haurac the pandemonium lord
264311 | Zig:27   | Killed Vakiha the pandemonium lord
264311 | Zig:27   | Killed Subbowke the pandemonium lord
264312 | Zig:27   | Noticed Dien the pandemonium lord
264313 | Zig:27   | Killed Laoweissuty the pandemonium lord
264313 | Zig:27   | Noticed Qiuhom the pandemonium lord
264313 | Zig:27   | Noticed Xojetits the pandemonium lord
264313 | Zig:27   | Noticed Meff the pandemonium lord
264318 | Zig:27   | Killed Fogesiv the pandemonium lord
264318 | Zig:27   | Killed Voxicwak the pandemonium lord
264320 | Zig:27   | Killed Nuirotaph the pandemonium lord
264321 | Zig:27   | Killed Naemefaib the pandemonium lord
264321 | Zig:27   | Killed Wigud the pandemonium lord
264323 | Zig:27   | Killed Picw the pandemonium lord
264323 | Zig:27   | Killed Dien the pandemonium lord
264323 | Zig:27   | Noticed Gatourgh the pandemonium lord
264324 | Zig:27   | Killed Zomepesk the pandemonium lord
264324 | Zig:27   | Noticed Imicusurph the pandemonium lord
264325 | Zig:27   | Noticed Cilo Qio the pandemonium lord
264326 | Zig:27   | Killed Meff the pandemonium lord
264326 | Zig:27   | Noticed Meecoh the pandemonium lord
264326 | Zig:27   | Noticed Tenih the pandemonium lord
264326 | Zig:27   | Noticed Ytecaw the pandemonium lord
264327 | Zig:27   | Killed Caompempo the pandemonium lord
264327 | Zig:27   | Killed Ylulydif the pandemonium lord
264327 | Zig:27   | Killed Dasm the pandemonium lord
264327 | Zig:27   | Killed Gatourgh the pandemonium lord
264329 | Zig:27   | Noticed Qoff the pandemonium lord
264329 | Zig:27   | Noticed Liafitur the pandemonium lord
264330 | Zig:27   | Killed Imicusurph the pandemonium lord
264332 | Zig:27   | Killed Ifaorrit the pandemonium lord
264332 | Zig:27   | Killed Meecoh the pandemonium lord
264332 | Zig:27   | Killed Ytecaw the pandemonium lord
264332 | Zig:27   | Killed Qoff the pandemonium lord
264332 | Zig:27   | Killed Dil Aket the pandemonium lord
264332 | Zig:27   | Killed Qiuhom the pandemonium lord
264332 | Zig:27   | Killed Kurgh the pandemonium lord
264334 | Zig:27   | Killed Jabbing the pandemonium lord
264334 | Zig:27   | Killed Cilo Qio the pandemonium lord
264334 | Zig:27   | Killed Xojetits the pandemonium lord
264334 | Zig:27   | Killed Liafitur the pandemonium lord
264335 | Zig:27   | Killed Tenih the pandemonium lord
264335 | Zig:27   | Noticed Guqeut the pandemonium lord
264337 | Zig:27   | Noticed Utiriug the pandemonium lord
264337 | Zig:27   | Noticed Vexowniu the pandemonium lord
264337 | Zig:27   | Noticed Gurampecs the pandemonium lord
264337 | Zig:27   | Noticed Wicad the pandemonium lord
264337 | Zig:27   | Noticed Kimih the pandemonium lord
264338 | Zig:27   | Noticed Kiybro Wiofu the pandemonium lord
264339 | Zig:27   | Killed Guqeut the pandemonium lord
264339 | Zig:27   | Killed Wicad the pandemonium lord
264339 | Zig:27   | Noticed Xeusm the pandemonium lord
264340 | Zig:27   | Killed Utiriug the pandemonium lord
264340 | Zig:27   | Killed Kiybro Wiofu the pandemonium lord
264341 | Zig:27   | Killed Gurampecs the pandemonium lord
264342 | Zig:27   | Noticed Nesh the pandemonium lord
264342 | Zig:27   | Noticed Keegum the pandemonium lord
264343 | Zig:27   | Noticed Yshaigg the pandemonium lord
264345 | Zig:27   | Noticed Wyreaw the pandemonium lord
264347 | Zig:27   | Killed Vexowniu the pandemonium lord
264347 | Zig:27   | Killed Xeusm the pandemonium lord
264347 | Zig:27   | Killed Keegum the pandemonium lord
264349 | Zig:27   | Killed Nesh the pandemonium lord
264349 | Zig:27   | Noticed Acwianahye the pandemonium lord
264351 | Zig:27   | Killed Wyreaw the pandemonium lord
264351 | Zig:27   | Killed Kimih the pandemonium lord
264351 | Zig:27   | Killed Acwianahye the pandemonium lord
264353 | Zig:27   | Killed Yshaigg the pandemonium lord
264357 | Zig:27   | Noticed Zacoo the pandemonium lord
264357 | Zig:27   | Noticed Ymuriu the pandemonium lord
264358 | Zig:27   | Noticed Voiqieqir the pandemonium lord
264360 | Zig:27   | Killed Voiqieqir the pandemonium lord
264365 | Zig:27   | Noticed Xutsae Jimm the pandemonium lord
264366 | Zig:27   | Killed Zacoo the pandemonium lord
264366 | Zig:27   | Noticed Nydeaq the pandemonium lord
264368 | Zig:27   | Killed Ymuriu the pandemonium lord
264369 | Zig:27   | Killed Xutsae Jimm the pandemonium lord
264369 | Zig:27   | Noticed Tinargh the pandemonium lord
264371 | Zig:27   | Killed Nydeaq the pandemonium lord
264376 | Zig:27   | Killed Tinargh the pandemonium lord
265081 | Zig:27   | Identified the storm talisman of Uru Zusu {Str-3 Dex+6 SInv
                  | Stlth-}
265094 | Zig:27   | Identified the +1 orcbow "Nayd" {drain, *Slow Fly MP+9
                  | Int+5}
265118 | Zig:27   | Identified the +7 war axe "Leviticus" {elec, Int+3 SInv}
265120 | Zig:27   | Identified the +7 dagger "Megheop" {antimagic, rF++}
265128 | Zig:27   | Identified the ring "Nueggyz" {Will+ EV+5 Str+2}
265138 | Zig:27   | Identified the scarf of the Hurricane {shadows, rF+ Int+4
                  | Dex-5 SInv}
265143 | Zig:27   | Identified the ring of the Distant Future {Wiz rPois
                  | Stlth+}
265167 | Zig:27   | Identified the ring "Utudob" {rF+ Int+3}
265171 | Zig:27   | Identified the scarf "Jorideh" {repulsion, rElec rF+ Dex+4}
265176 | Zig:27   | Identified the +3 morningstar of Courage {speed, Will+
                  | Str+3 Dex+3}
265385 | Depths:3 | Acquired the +1 pair of boots of Hide-and-Seek {Str+2}
265393 | Depths:3 | Acquired the ring "Pilait" {rElec MP+9 Dex+6}
265403 | Depths:3 | Acquired the +1 pair of gloves "Hiass" {Fly Int+2}
265407 | Depths:3 | Acquired 518 gold pieces
265468 | Zig:1    | Entered Level 1 of a ziggurat
265473 | Zig:2    | Entered Level 2 of a ziggurat
265482 | Zig:2    | Identified the ring "Redikiw" {^Drain rElec rC+ rN+ Str+4}
265489 | Zig:3    | Entered Level 3 of a ziggurat
265489 | Zig:3    | Noticed Bikan the pandemonium lord
265493 | Zig:3    | Killed Bikan the pandemonium lord
265508 | Zig:4    | Entered Level 4 of a ziggurat
265508 | Zig:4    | Noticed a dread lich
265508 | Zig:4    | Noticed a dread lich
265508 | Zig:4    | Noticed a dread lich
265508 | Zig:4    | Noticed a dread lich
265508 | Zig:4    | Noticed a dread lich
265508 | Zig:4    | Noticed an ancient lich
265508 | Zig:4    | Noticed an ancient lich
265508 | Zig:4    | Noticed a dread lich
265508 | Zig:4    | Noticed a dread lich
265508 | Zig:4    | Noticed a dread lich
265508 | Zig:4    | Noticed a dread lich
265508 | Zig:4    | Noticed a dread lich
265508 | Zig:4    | Noticed an ancient lich
265509 | Zig:4    | Killed a dread lich
265509 | Zig:4    | Killed a dread lich
265509 | Zig:4    | Killed a dread lich
265510 | Zig:4    | Noticed a dread lich
265510 | Zig:4    | Noticed a dread lich
265510 | Zig:4    | Noticed a dread lich
265512 | Zig:4    | Killed a dread lich
265512 | Zig:4    | Killed a dread lich
265512 | Zig:4    | Killed an ancient lich
265512 | Zig:4    | Killed a dread lich
265512 | Zig:4    | Killed a dread lich
265512 | Zig:4    | Killed a dread lich
265512 | Zig:4    | Killed a dread lich
265512 | Zig:4    | Killed an ancient lich
265512 | Zig:4    | Killed a dread lich
265512 | Zig:4    | Killed a dread lich
265512 | Zig:4    | Killed a dread lich
265515 | Zig:4    | Killed an ancient lich
265515 | Zig:4    | Killed a dread lich
265520 | Zig:4    | Identified the +3 morningstar "Edub" {venom, ^Fragile rElec
                  | rCorr Stlth-}
265524 | Zig:5    | Entered Level 5 of a ziggurat
265545 | Zig:6    | Entered Level 6 of a ziggurat
265798 | Zig:6    | Identified the +2 dagger "Ligat" {drain, *Corrode Str+3
                  | Int+3 Stlth+}
265804 | Zig:6    | Identified the +10 great sword "Koxtaubau" {holy, rF+
                  | Dex+4}
265821 | Zig:6    | Identified the +2 scimitar of Xunis {freeze, *Noise rPois
                  | Dex+4}
265822 | Zig:6    | Identified the +9 rapier of Trial by Ordeal {spect, ^Drain
                  | rN+ SInv Stlth+}
265850 | Zig:7    | Entered Level 7 of a ziggurat
265850 | Zig:7    | Noticed a dread lich
265850 | Zig:7    | Noticed a dread lich
265850 | Zig:7    | Noticed an ancient lich
265850 | Zig:7    | Noticed an ancient lich
265850 | Zig:7    | Noticed a dread lich
265850 | Zig:7    | Noticed a dread lich
265850 | Zig:7    | Noticed an ancient lich
265850 | Zig:7    | Noticed a dread lich
265850 | Zig:7    | Noticed an ancient lich
265850 | Zig:7    | Noticed an ancient lich
265850 | Zig:7    | Noticed a dread lich
265850 | Zig:7    | Noticed a dread lich
265850 | Zig:7    | Noticed a dread lich
265851 | Zig:7    | Killed an ancient lich
265851 | Zig:7    | Killed a dread lich
265851 | Zig:7    | Killed a dread lich
265851 | Zig:7    | Killed a dread lich
265851 | Zig:7    | Killed an ancient lich
265853 | Zig:7    | Noticed a dread lich
265853 | Zig:7    | Noticed a dread lich
265854 | Zig:7    | Noticed an ancient lich
265854 | Zig:7    | Killed a dread lich
265854 | Zig:7    | Killed a dread lich
265854 | Zig:7    | Killed a dread lich
265854 | Zig:7    | Killed an ancient lich
265854 | Zig:7    | Killed a dread lich
265854 | Zig:7    | Killed a dread lich
265855 | Zig:7    | Noticed an ancient lich
265856 | Zig:7    | Noticed an ancient lich
265856 | Zig:7    | Killed an ancient lich
265857 | Zig:7    | Killed an ancient lich
265857 | Zig:7    | Killed a dread lich
265857 | Zig:7    | Killed an ancient lich
265859 | Zig:7    | Killed a dread lich
265861 | Zig:7    | Killed an ancient lich
265863 | Zig:7    | Killed an ancient lich
265872 | Zig:8    | Entered Level 8 of a ziggurat
266091 | Zig:8    | Identified the +5 scale mail of the Endless Expanse {Dex+2}
266095 | Zig:8    | Identified the +1 helmet "Hiotwisch" {+Blink Dex+2}
266097 | Zig:8    | Identified the +8 trident "Vufrisef" {holy, +Blink Fly
                  | rElec Dex-3}
266109 | Zig:8    | Identified the +0 robe of Pezaf {rN++ Dex-4}
266118 | Zig:8    | Identified the +3 battleaxe "Impslayer" {freeze, Will+}
266206 | Zig:9    | Entered Level 9 of a ziggurat
266216 | Zig:9    | Noticed an ancient lich
266219 | Zig:9    | Killed an ancient lich
266312 | Zig:9    | Identified the +2 helmet of Fortification {rElec Str+5}
266313 | Zig:9    | Identified the +6 morningstar "Jiubemup" {elec, ^Fragile
                  | +Blink Str+3 SInv}
266322 | Zig:9    | Identified the ring "Juff" {rElec Str+6 Int+3 SInv}
266331 | Zig:9    | Identified the +0 ring mail "Vasch" {Str+3}
266332 | Zig:9    | Identified the ring of the Komodo Dragon {rElec Will- Int+6
                  | Dex+4 Slay+5}
266546 | Zig:10   | Entered Level 10 of a ziggurat
266566 | Zig:10   | Identified the ring of Epomatoc {+Blink rPois}
266568 | Zig:10   | Identified the +0 pair of gloves of the Grue {Str-2 Int+3
                  | Dex+4}
266573 | Zig:11   | Entered Level 11 of a ziggurat
266573 | Zig:11   | Noticed a royal mummy
266573 | Zig:11   | Noticed a royal mummy
266573 | Zig:11   | Noticed a royal mummy
266573 | Zig:11   | Noticed a royal mummy
266573 | Zig:11   | Noticed a royal mummy
266573 | Zig:11   | Noticed a royal mummy
266573 | Zig:11   | Noticed a royal mummy
266573 | Zig:11   | Noticed a royal mummy
266574 | Zig:11   | Killed a royal mummy
266574 | Zig:11   | Killed a royal mummy
266574 | Zig:11   | Killed a royal mummy
266574 | Zig:11   | Killed a royal mummy
266574 | Zig:11   | Killed a royal mummy
266575 | Zig:11   | Noticed a royal mummy
266575 | Zig:11   | Noticed a royal mummy
266576 | Zig:11   | Killed a royal mummy
266577 | Zig:11   | Killed a royal mummy
266577 | Zig:11   | Killed a royal mummy
266577 | Zig:11   | Killed a royal mummy
266577 | Zig:11   | Noticed a royal mummy
266577 | Zig:11   | Noticed a royal mummy
266577 | Zig:11   | Noticed a royal mummy
266578 | Zig:11   | Noticed a royal mummy
266579 | Zig:11   | Noticed a royal mummy
266579 | Zig:11   | Noticed a royal mummy
266579 | Zig:11   | Noticed a royal mummy
266579 | Zig:11   | Noticed a royal mummy
266580 | Zig:11   | Killed a royal mummy
266580 | Zig:11   | Killed a royal mummy
266580 | Zig:11   | Killed a royal mummy
266580 | Zig:11   | Killed a royal mummy
266580 | Zig:11   | Killed a royal mummy
266581 | Zig:11   | Noticed a royal mummy
266582 | Zig:11   | Killed a royal mummy
266582 | Zig:11   | Killed a royal mummy
266582 | Zig:11   | Killed a royal mummy
266583 | Zig:11   | Killed a royal mummy
266584 | Zig:11   | Noticed a royal mummy
266585 | Zig:11   | Noticed a royal mummy
266588 | Zig:11   | Killed a royal mummy
266591 | Zig:11   | Noticed a royal mummy
266592 | Zig:11   | Killed a royal mummy
266592 | Zig:11   | Killed a royal mummy
266592 | Zig:11   | Noticed a royal mummy
266601 | Zig:11   | Killed a royal mummy
266601 | Zig:11   | Killed a royal mummy
266634 | Zig:11   | Identified the ring "Erchare" {Will- Str+2 SInv Stlth+}
266641 | Zig:11   | Identified the +6 scimitar of Ascent {freeze, rC+ rN++
                  | Int+2}
266642 | Zig:11   | Identified the ring "Jesk" {rC+ Str+6 Dex+3}
267043 | Zig:12   | Entered Level 12 of a ziggurat
267125 | Zig:12   | Identified the ring "Beehaes" {rPois rCorr Str-2 Int+7
                  | Slay+2}
267362 | Zig:12   | Identified the staff "Killer Bee's Bane" {rPois rF+ Summ
                  | Fire}
267427 | Zig:12   | Identified the +10 great sword of the Fifty Hosts {holy,
                  | rElec rC+}
267430 | Zig:12   | Identified the +7 rapier of the Enchanting Gods {heavy,
                  | rElec rF++}
267510 | Zig:13   | Entered Level 13 of a ziggurat
267510 | Zig:13   | Noticed a dread lich
267510 | Zig:13   | Noticed an ancient lich
267510 | Zig:13   | Noticed an ancient lich
267510 | Zig:13   | Noticed a dread lich
267510 | Zig:13   | Noticed a dread lich
267510 | Zig:13   | Noticed an ancient lich
267510 | Zig:13   | Noticed a dread lich
267510 | Zig:13   | Noticed a dread lich
267511 | Zig:13   | Killed an ancient lich
267511 | Zig:13   | Killed a dread lich
267512 | Zig:13   | Noticed an ancient lich
267512 | Zig:13   | Noticed an ancient lich
267512 | Zig:13   | Noticed a dread lich
267512 | Zig:13   | Noticed an ancient lich
267512 | Zig:13   | Noticed an ancient lich
267513 | Zig:13   | Noticed an ancient lich
267513 | Zig:13   | Killed a dread lich
267513 | Zig:13   | Killed a dread lich
267513 | Zig:13   | Killed an ancient lich
267513 | Zig:13   | Killed a dread lich
267513 | Zig:13   | Killed an ancient lich
267513 | Zig:13   | Noticed a dread lich
267513 | Zig:13   | Noticed an ancient lich
267514 | Zig:13   | Noticed a dread lich
267514 | Zig:13   | Noticed an ancient lich
267515 | Zig:13   | Killed a dread lich
267515 | Zig:13   | Killed an ancient lich
267515 | Zig:13   | Killed an ancient lich
267515 | Zig:13   | Killed a dread lich
267515 | Zig:13   | Killed an ancient lich
267515 | Zig:13   | Killed an ancient lich
267515 | Zig:13   | Killed a dread lich
267515 | Zig:13   | Killed an ancient lich
267515 | Zig:13   | Killed a dread lich
267515 | Zig:13   | Noticed a dread lich
267516 | Zig:13   | Noticed a dread lich
267516 | Zig:13   | Noticed an ancient lich
267516 | Zig:13   | Noticed an ancient lich
267517 | Zig:13   | Noticed an ancient lich
267517 | Zig:13   | Noticed a dread lich
267517 | Zig:13   | Noticed an ancient lich
267518 | Zig:13   | Killed an ancient lich
267518 | Zig:13   | Killed an ancient lich
267518 | Zig:13   | Killed a dread lich
267518 | Zig:13   | Killed an ancient lich
267518 | Zig:13   | Killed a dread lich
267518 | Zig:13   | Killed an ancient lich
267518 | Zig:13   | Noticed an ancient lich
267518 | Zig:13   | Noticed a dread lich
267518 | Zig:13   | Noticed an ancient lich
267519 | Zig:13   | Noticed a dread lich
267519 | Zig:13   | Noticed a dread lich
267519 | Zig:13   | Noticed an ancient lich
267519 | Zig:13   | Noticed a dread lich
267519 | Zig:13   | Noticed a dread lich
267519 | Zig:13   | Noticed a dread lich
267519 | Zig:13   | Noticed an ancient lich
267520 | Zig:13   | Noticed an ancient lich
267520 | Zig:13   | Noticed a dread lich
267520 | Zig:13   | Noticed a dread lich
267520 | Zig:13   | Noticed a dread lich
267520 | Zig:13   | Noticed an ancient lich
267520 | Zig:13   | Noticed a dread lich
267520 | Zig:13   | Noticed a dread lich
267521 | Zig:13   | Killed a dread lich
267521 | Zig:13   | Killed an ancient lich
267521 | Zig:13   | Killed a dread lich
267521 | Zig:13   | Killed an ancient lich
267521 | Zig:13   | Killed a dread lich
267521 | Zig:13   | Killed a dread lich
267521 | Zig:13   | Killed a dread lich
267521 | Zig:13   | Killed an ancient lich
267521 | Zig:13   | Killed a dread lich
267521 | Zig:13   | Killed an ancient lich
267521 | Zig:13   | Noticed an ancient lich
267521 | Zig:13   | Noticed a dread lich
267522 | Zig:13   | Noticed an ancient lich
267522 | Zig:13   | Noticed an ancient lich
267522 | Zig:13   | Noticed an ancient lich
267523 | Zig:13   | Noticed an ancient lich
267523 | Zig:13   | Noticed an ancient lich
267523 | Zig:13   | Noticed an ancient lich
267523 | Zig:13   | Noticed a dread lich
267523 | Zig:13   | Noticed a dread lich
267524 | Zig:13   | Noticed an ancient lich
267524 | Zig:13   | Noticed an ancient lich
267524 | Zig:13   | Killed a dread lich
267524 | Zig:13   | Killed an ancient lich
267524 | Zig:13   | Killed a dread lich
267524 | Zig:13   | Killed a dread lich
267524 | Zig:13   | Killed a dread lich
267524 | Zig:13   | Killed a dread lich
267524 | Zig:13   | Killed an ancient lich
267524 | Zig:13   | Killed a dread lich
267524 | Zig:13   | Killed a dread lich
267524 | Zig:13   | Killed an ancient lich
267524 | Zig:13   | Killed a dread lich
267524 | Zig:13   | Killed an ancient lich
267524 | Zig:13   | Killed an ancient lich
267524 | Zig:13   | Killed an ancient lich
267525 | Zig:13   | Noticed a dread lich
267525 | Zig:13   | Noticed a dread lich
267526 | Zig:13   | Killed a dread lich
267526 | Zig:13   | Killed an ancient lich
267526 | Zig:13   | Killed an ancient lich
267526 | Zig:13   | Killed an ancient lich
267526 | Zig:13   | Killed a dread lich
267526 | Zig:13   | Killed a dread lich
267526 | Zig:13   | Killed an ancient lich
267526 | Zig:13   | Killed an ancient lich
267526 | Zig:13   | Killed an ancient lich
267526 | Zig:13   | Killed an ancient lich
267528 | Zig:13   | Killed a dread lich
267568 | Zig:13   | Identified the +5 quarterstaff "Agass" {protect, rC+}
267663 | Zig:13   | Identified the +1 hand axe of the Fray {venom, Stlth+}
267671 | Zig:13   | Identified the ring "Lomyi" {Fly rPois MP+9}
267673 | Zig:13   | Identified the +0 robe "Jiessoal" {Regen+}
267682 | Zig:13   | Identified the +7 hand axe "Orb Guardian's Curse" {freeze,
                  | rElec rF+}
267701 | Zig:13   | Identified the +3 ring mail of the Sky {*Slow rElec rF+
                  | Str+5}
267711 | Zig:13   | Identified the +1 shortbow of the Enchanted Forest {drain,
                  | rF+ rC+ Will+ Stlth+}
267989 | Zig:14   | Entered Level 14 of a ziggurat
268009 | Zig:14   | Paralysed by an air elemental for 1 turns
268554 | Zig:14   | Identified the +8 flail of Destiny {vamp, Fly MP+9}
268560 | Zig:14   | Identified the staff "Deic" {rPois Int+4 Alchemy}
268564 | Zig:14   | Identified the +1 scale mail of Zearch {Will+ Str+3}
268648 | Zig:14   | Identified the ring "Xotakk" {rElec rCorr Int+2}
268653 | Zig:14   | Identified the +1 orcbow of Grontol {freeze, SInv}
268658 | Zig:14   | Identified the +0 ring mail of the Skiapode {*Corrode Will+
                  | Regen+ Stlth+}
268714 | Zig:14   | Upgraded the game from 0.31.0-9-g3a7656b989 to
                  | 0.31.0-10-gcf4a605ca0
268723 | Zig:15   | Entered Level 15 of a ziggurat
268723 | Zig:15   | Noticed a dread lich
268734 | Zig:15   | Killed a dread lich
268749 | Zig:15   | Noticed a dread lich
268754 | Zig:15   | Killed a dread lich
268798 | Zig:15   | Identified the +0 robe of Ipsiri {+Inv rPois Archmagi}
268813 | Zig:15   | Identified the staff of Ruination {rElec rPois rN+++ Will-
                  | Int+6 Air}
268874 | Zig:15   | Identified the +5 scale mail "Bovvim" {rF+ rC- Dex+6 SInv}
269256 | Zig:15   | Identified the +1 pair of boots of Gaklufiu {+Blink Int-5
                  | SInv}
269265 | Zig:16   | Entered Level 16 of a ziggurat
269285 | Zig:16   | Noticed Goafoat the pandemonium lord
269297 | Zig:16   | Killed Goafoat the pandemonium lord
269800 | Zig:16   | Identified the ring "Naefuj" {rF+ rC- AC+4 Str+3 Stlth+}
269807 | Zig:16   | Identified the +6 battleaxe of the Blessed Realm {elec,
                  | rPois Str+3}
269811 | Zig:16   | Identified the +9 orcbow "Murmur" {elec, rF- rC+ rCorr
                  | Int+3}
269828 | Zig:16   | Identified the +2 scale mail of Fuholodd {rElec}
269832 | Zig:16   | Identified the +4 battleaxe "Ykuacurr" {freeze, Fly Int+3}
269959 | Zig:17   | Entered Level 17 of a ziggurat
270114 | Zig:17   | Identified the staff of the Fool {Dex+2 Conj Alchemy}
270127 | Zig:17   | Identified the +0 dagger "Huggob" {venom, ^Drain rPois
                  | Will+}
270140 | Zig:17   | Identified the +5 chain mail of Vermicelli {+Blink rF+
                  | Int-4}
270141 | Zig:17   | Identified the +7 chain mail of the Pure Brambles {+Blink
                  | rN+++ Str-4 Int-2}
270143 | Zig:17   | Identified the ring "Wubalyvy" {rElec rPois rC+ rN+ rCorr}
270146 | Zig:17   | Identified the ring "Dievog" {rN+ Str+2 SInv Stlth+}
270593 | Zig:18   | Entered Level 18 of a ziggurat
270593 | Zig:18   | Noticed a royal mummy
270593 | Zig:18   | Noticed a royal mummy
270593 | Zig:18   | Noticed a royal mummy
270593 | Zig:18   | Noticed a royal mummy
270593 | Zig:18   | Noticed a royal mummy
270593 | Zig:18   | Noticed a royal mummy
270593 | Zig:18   | Noticed a royal mummy
270593 | Zig:18   | Noticed a royal mummy
270593 | Zig:18   | Noticed a royal mummy
270593 | Zig:18   | Noticed a royal mummy
270593 | Zig:18   | Noticed a royal mummy
270593 | Zig:18   | Noticed a royal mummy
270594 | Zig:18   | Killed a royal mummy
270594 | Zig:18   | Killed a royal mummy
270594 | Zig:18   | Killed a royal mummy
270594 | Zig:18   | Killed a royal mummy
270594 | Zig:18   | Killed a royal mummy
270594 | Zig:18   | Killed a royal mummy
270594 | Zig:18   | Killed a royal mummy
270594 | Zig:18   | Killed a royal mummy
270594 | Zig:18   | Killed a royal mummy
270594 | Zig:18   | Killed a royal mummy
270595 | Zig:18   | Noticed a royal mummy
270595 | Zig:18   | Noticed a royal mummy
270596 | Zig:18   | Noticed a royal mummy
270597 | Zig:18   | Noticed a royal mummy
270597 | Zig:18   | Noticed a royal mummy
270597 | Zig:18   | Noticed a royal mummy
270598 | Zig:18   | Killed a royal mummy
270598 | Zig:18   | Killed a royal mummy
270598 | Zig:18   | Killed a royal mummy
270598 | Zig:18   | Killed a royal mummy
270598 | Zig:18   | Noticed a royal mummy
270599 | Zig:18   | Noticed a royal mummy
270599 | Zig:18   | Noticed a royal mummy
270599 | Zig:18   | Noticed a royal mummy
270599 | Zig:18   | Killed a royal mummy
270599 | Zig:18   | Killed a royal mummy
270599 | Zig:18   | Noticed a royal mummy
270599 | Zig:18   | Noticed a royal mummy
270600 | Zig:18   | Killed a royal mummy
270600 | Zig:18   | Killed a royal mummy
270600 | Zig:18   | Killed a royal mummy
270600 | Zig:18   | Noticed a royal mummy
270600 | Zig:18   | Noticed a royal mummy
270600 | Zig:18   | Noticed a royal mummy
270600 | Zig:18   | Noticed a royal mummy
270601 | Zig:18   | Killed a royal mummy
270601 | Zig:18   | Killed a royal mummy
270601 | Zig:18   | Killed a royal mummy
270601 | Zig:18   | Noticed a royal mummy
270601 | Zig:18   | Noticed a royal mummy
270601 | Zig:18   | Noticed a royal mummy
270601 | Zig:18   | Noticed a royal mummy
270602 | Zig:18   | Killed a royal mummy
270602 | Zig:18   | Killed a royal mummy
270602 | Zig:18   | Killed a royal mummy
270602 | Zig:18   | Killed a royal mummy
270602 | Zig:18   | Killed a royal mummy
270602 | Zig:18   | Killed a royal mummy
270602 | Zig:18   | Killed a royal mummy
270602 | Zig:18   | Noticed a royal mummy
270603 | Zig:18   | Noticed a royal mummy
270603 | Zig:18   | Noticed a royal mummy
270603 | Zig:18   | Noticed a royal mummy
270603 | Zig:18   | Noticed a royal mummy
270604 | Zig:18   | Killed a royal mummy
270604 | Zig:18   | Killed a royal mummy
270604 | Zig:18   | Killed a royal mummy
270604 | Zig:18   | Noticed a royal mummy
270604 | Zig:18   | Noticed a royal mummy
270604 | Zig:18   | Noticed a royal mummy
270604 | Zig:18   | Noticed a royal mummy
270605 | Zig:18   | Killed a royal mummy
270605 | Zig:18   | Killed a royal mummy
270605 | Zig:18   | Killed a royal mummy
270605 | Zig:18   | Killed a royal mummy
270605 | Zig:18   | Killed a royal mummy
270606 | Zig:18   | Noticed a royal mummy
270606 | Zig:18   | Noticed a royal mummy
270606 | Zig:18   | Noticed a royal mummy
270606 | Zig:18   | Noticed a royal mummy
270607 | Zig:18   | Killed a royal mummy
270607 | Zig:18   | Killed a royal mummy
270607 | Zig:18   | Killed a royal mummy
270607 | Zig:18   | Noticed a royal mummy
270608 | Zig:18   | Noticed a royal mummy
270608 | Zig:18   | Noticed a royal mummy
270609 | Zig:18   | Killed a royal mummy
270609 | Zig:18   | Killed a royal mummy
270609 | Zig:18   | Killed a royal mummy
270609 | Zig:18   | Noticed a royal mummy
270609 | Zig:18   | Noticed a royal mummy
270610 | Zig:18   | Noticed a royal mummy
270610 | Zig:18   | Noticed a royal mummy
270610 | Zig:18   | Killed a royal mummy
270610 | Zig:18   | Noticed a royal mummy
270611 | Zig:18   | Killed a royal mummy
270611 | Zig:18   | Killed a royal mummy
270611 | Zig:18   | Killed a royal mummy
270611 | Zig:18   | Noticed a royal mummy
270611 | Zig:18   | Noticed a royal mummy
270611 | Zig:18   | Noticed a royal mummy
270611 | Zig:18   | Noticed a royal mummy
270612 | Zig:18   | Noticed a royal mummy
270612 | Zig:18   | Noticed a royal mummy
270612 | Zig:18   | Killed a royal mummy
270612 | Zig:18   | Killed a royal mummy
270612 | Zig:18   | Noticed a royal mummy
270613 | Zig:18   | Killed a royal mummy
270613 | Zig:18   | Killed a royal mummy
270613 | Zig:18   | Killed a royal mummy
270613 | Zig:18   | Killed a royal mummy
270613 | Zig:18   | Killed a royal mummy
270613 | Zig:18   | Killed a royal mummy
270614 | Zig:18   | Noticed a royal mummy
270614 | Zig:18   | Noticed a royal mummy
270614 | Zig:18   | Noticed a royal mummy
270615 | Zig:18   | Killed a royal mummy
270615 | Zig:18   | Killed a royal mummy
270615 | Zig:18   | Killed a royal mummy
270615 | Zig:18   | Killed a royal mummy
270615 | Zig:18   | Killed a royal mummy
270615 | Zig:18   | Killed a royal mummy
270615 | Zig:18   | Noticed a royal mummy
270615 | Zig:18   | Noticed a royal mummy
270615 | Zig:18   | Noticed a royal mummy
270616 | Zig:18   | Noticed a royal mummy
270616 | Zig:18   | Noticed a royal mummy
270616 | Zig:18   | Noticed a royal mummy
270617 | Zig:18   | Killed a royal mummy
270617 | Zig:18   | Noticed a royal mummy
270617 | Zig:18   | Noticed a royal mummy
270617 | Zig:18   | Noticed a royal mummy
270617 | Zig:18   | Killed a royal mummy
270618 | Zig:18   | Noticed a royal mummy
270618 | Zig:18   | Noticed a royal mummy
270619 | Zig:18   | Killed a royal mummy
270619 | Zig:18   | Killed a royal mummy
270619 | Zig:18   | Killed a royal mummy
270619 | Zig:18   | Killed a royal mummy
270619 | Zig:18   | Noticed a royal mummy
270620 | Zig:18   | Killed a royal mummy
270620 | Zig:18   | Killed a royal mummy
270620 | Zig:18   | Killed a royal mummy
270620 | Zig:18   | Killed a royal mummy
270621 | Zig:18   | Killed a royal mummy
270621 | Zig:18   | Killed a royal mummy
270621 | Zig:18   | Noticed a royal mummy
270622 | Zig:18   | Killed a royal mummy
270622 | Zig:18   | Killed a royal mummy
270622 | Zig:18   | Noticed a royal mummy
270623 | Zig:18   | Noticed a royal mummy
270624 | Zig:18   | Noticed a royal mummy
270624 | Zig:18   | Noticed a royal mummy
270625 | Zig:18   | Killed a royal mummy
270625 | Zig:18   | Killed a royal mummy
270625 | Zig:18   | Killed a royal mummy
270625 | Zig:18   | Killed a royal mummy
270625 | Zig:18   | Killed a royal mummy
270628 | Zig:18   | Noticed a royal mummy
270629 | Zig:18   | Killed a royal mummy
270629 | Zig:18   | Killed a royal mummy
271217 | Zig:18   | Identified the amulet "Kixka" {RegenMP ^Fragile rPois
                  | Dex+4}
271221 | Zig:18   | Identified the +1 robe of Idealism {Harm rPois rCorr Dex+3}
271234 | Zig:18   | Identified the +8 whip of Biogabbi {vamp, Dex-4 SInv
                  | Stlth+}
271249 | Zig:18   | Identified the ring "Yreschie" {rPois rN++ rCorr Dex-3
                  | Stlth-}
271266 | Zig:18   | Identified the amulet "Esytox" {Regen+ rCorr MP+9 Str+2
                  | Int+3}
271268 | Zig:18   | Identified the +4 dire flail "Nocegec" {elec, rN+ Int+2
                  | SInv Stlth-}
271275 | Zig:18   | Identified the ring "Eced" {Ice rN+ Dex+6}
271303 | Zig:18   | Identified the +0 helmet of the Manifold Youths {-Tele +Inv
                  | rN+ Regen+}
271304 | Zig:18   | Identified the +3 chain mail "Qipn" {Harm *Corrode rElec
                  | rN+++}
271309 | Zig:18   | Identified the amulet "Qasaodog" {Faith rF+}
271312 | Zig:18   | Identified the +1 chain mail of the Hall of Blades {^Contam
                  | Harm *Slow SInv}
271318 | Zig:18   | Identified the +7 sling of the Sky {freeze, rElec rF+
                  | Dex-3}
271320 | Zig:18   | Identified the +0 spear "Obeeqom" {freeze, rPois}
271321 | Zig:18   | Identified the +0 robe "Xoru" {rN+ Str+5 Dex+3}
271323 | Zig:18   | Identified the amulet "Neefuis" {Spirit rF++ Int-3 SInv}
271325 | Zig:18   | Identified the staff of Gozag, Shifting {Str+4 Dex+2 Conj}
271326 | Zig:18   | Identified the +2 great sword "Guotuisis" {venom, Will+}
271402 | Zig:19   | Entered Level 19 of a ziggurat
271592 | Zig:19   | Identified the amulet of Xejousan {Regen+ Int+3}
271628 | Zig:19   | Identified the staff of Magnificence {rPois MP-9 SInv Fire
                  | Earth Alchemy}
271632 | Zig:19   | Identified the ring of Anarchy {rPois rF+ rN+ Int+3 Stlth+}
271646 | Zig:19   | Identified the +6 great sword of the Thieving Gods
                  | {antimagic, rPois Will+ Stlth-}
271653 | Zig:19   | Identified the +3 spear "Himiumuw" {heavy, rElec rF+ Int-3
                  | Dex+3}
271655 | Zig:19   | Identified the +3 battleaxe of the Scavenger {chaos, Int+3
                  | SInv}
272364 | Zig:20   | Entered Level 20 of a ziggurat
272406 | Zig:20   | Noticed a dread lich
272406 | Zig:20   | Killed a dread lich
272770 | Zig:20   | Identified the +3 sling "Giesotic" {drain, Stlth+}
272773 | Zig:20   | Identified the +5 quarterstaff "Ybbaqun" {flame, rN+ rCorr}
272781 | Zig:20   | Identified the ring of Huzam {+Blink Fly rPois rCorr Int-2}
272785 | Zig:20   | Identified the +6 orcbow "Hanleczy" {antimagic, rPois SInv}
272798 | Zig:20   | Identified the +1 trident "Aladau" {heavy, rCorr Str+2}
272804 | Zig:20   | Identified the amulet "Conur" {Spirit rPois rF+ Dex+4}
272806 | Zig:20   | Identified the +3 great sword of Giodoerch {venom, rC+ rN+
                  | Int+4 Dex-5}
272812 | Zig:20   | Identified the +8 mace of Makhleb's Generosity {drain,
                  | *Slow rPois Int+3}
272813 | Zig:20   | Identified the +5 dagger of the Pits of Slime {pain, rElec
                  | Dex+2 Stlth-}
272819 | Zig:20   | Identified the amulet "Aghuxuo" {Reflect rC+ MP+9 Int+4
                  | SH+5}
272821 | Zig:20   | Identified the staff of Paper {Fly rF+ Fire Air Alchemy}
272822 | Zig:20   | Identified the ring of Harmony {rF- rN+++ rCorr EV+5 Slay+4
                  | Stlth+}
272823 | Zig:20   | Identified the +1 pair of boots of Nuzuze Ylak {Int+3}
272961 | Zig:21   | Entered Level 21 of a ziggurat
273267 | Zig:21   | Identified the +2 chain mail of the Trombone {Int+3}
273272 | Zig:21   | Identified the +0 flail of Fehy {elec, rF+ SInv Stlth-}
273275 | Zig:21   | Identified the ring of the Burgomaster {rElec rC++ Int+3
                  | Dex+6}
273277 | Zig:21   | Identified the +4 war axe of Vitit {flame, ^Fragile Int+5
                  | SInv}
273283 | Zig:21   | Identified the +6 mace of Meoboen {elec, rF+ Will+ Str+3
                  | Int-3 Dex+2}
273284 | Zig:21   | Identified the +8 short sword of Ticleink {venom, Str+3}
273290 | Zig:21   | Identified the +9 shortbow of Exquisite Torment {heavy, rN+
                  | Str-2 SInv}
273303 | Zig:21   | Identified the +5 sling of the Voracious God {elec, rN+
                  | rCorr}
273359 | Zig:21   | Identified the staff of Impeachment {*Slow rPois rC+ rN+++
                  | MP-9 Ice}
273376 | Zig:21   | Identified the +6 scale mail of Dep Hoci {*Corrode rN++
                  | MP+9 Str+3}
273821 | Zig:22   | Entered Level 22 of a ziggurat
273825 | Zig:22   | Noticed a juggernaut
273825 | Zig:22   | Noticed a juggernaut
273826 | Zig:22   | Noticed a juggernaut
273826 | Zig:22   | Noticed a juggernaut
273827 | Zig:22   | Killed a juggernaut
273827 | Zig:22   | Noticed a juggernaut
273828 | Zig:22   | Noticed a juggernaut
273829 | Zig:22   | Killed a juggernaut
273829 | Zig:22   | Killed a juggernaut
273829 | Zig:22   | Noticed a juggernaut
273829 | Zig:22   | Noticed a juggernaut
273829 | Zig:22   | Noticed a juggernaut
273830 | Zig:22   | Noticed a juggernaut
273830 | Zig:22   | Noticed a juggernaut
273831 | Zig:22   | Noticed a juggernaut
273831 | Zig:22   | Noticed a juggernaut
273831 | Zig:22   | Noticed a juggernaut
273831 | Zig:22   | Noticed a juggernaut
273831 | Zig:22   | Killed a juggernaut
273832 | Zig:22   | Noticed a juggernaut
273832 | Zig:22   | Killed a juggernaut
273832 | Zig:22   | Killed a juggernaut
273833 | Zig:22   | Noticed a juggernaut
273833 | Zig:22   | Killed a juggernaut
273833 | Zig:22   | Killed a juggernaut
273833 | Zig:22   | Killed a juggernaut
273833 | Zig:22   | Killed a juggernaut
273833 | Zig:22   | Killed a juggernaut
273833 | Zig:22   | Killed a juggernaut
273833 | Zig:22   | Killed a juggernaut
273833 | Zig:22   | Killed a juggernaut
273834 | Zig:22   | Noticed a juggernaut
273834 | Zig:22   | Noticed a juggernaut
273834 | Zig:22   | Noticed a juggernaut
273834 | Zig:22   | Killed a juggernaut
273835 | Zig:22   | Noticed a juggernaut
273835 | Zig:22   | Killed a juggernaut
273835 | Zig:22   | Killed a juggernaut
273836 | Zig:22   | Killed a juggernaut
273836 | Zig:22   | Killed a juggernaut
273836 | Zig:22   | Killed a juggernaut
273836 | Zig:22   | Noticed a juggernaut
273838 | Zig:22   | Noticed a juggernaut
273838 | Zig:22   | Noticed a juggernaut
273838 | Zig:22   | Noticed a juggernaut
273838 | Zig:22   | Killed a juggernaut
273839 | Zig:22   | Noticed a juggernaut
273839 | Zig:22   | Noticed a juggernaut
273839 | Zig:22   | Noticed a juggernaut
273839 | Zig:22   | Noticed a juggernaut
273839 | Zig:22   | Noticed a juggernaut
273839 | Zig:22   | Noticed a juggernaut
273839 | Zig:22   | Noticed a juggernaut
273840 | Zig:22   | Killed a juggernaut
273840 | Zig:22   | Killed a juggernaut
273840 | Zig:22   | Killed a juggernaut
273840 | Zig:22   | Noticed a juggernaut
273840 | Zig:22   | Noticed a juggernaut
273840 | Zig:22   | Noticed a juggernaut
273841 | Zig:22   | Noticed a juggernaut
273841 | Zig:22   | Noticed a juggernaut
273841 | Zig:22   | Noticed a juggernaut
273841 | Zig:22   | Noticed a juggernaut
273842 | Zig:22   | Killed a juggernaut
273842 | Zig:22   | Killed a juggernaut
273842 | Zig:22   | Killed a juggernaut
273842 | Zig:22   | Killed a juggernaut
273842 | Zig:22   | Killed a juggernaut
273842 | Zig:22   | Killed a juggernaut
273842 | Zig:22   | Killed a juggernaut
273842 | Zig:22   | Noticed a juggernaut
273842 | Zig:22   | Noticed a juggernaut
273842 | Zig:22   | Killed a juggernaut
273843 | Zig:22   | Killed a juggernaut
273844 | Zig:22   | Noticed a juggernaut
273844 | Zig:22   | Noticed a juggernaut
273844 | Zig:22   | Killed a juggernaut
273844 | Zig:22   | Noticed a juggernaut
273845 | Zig:22   | Noticed a juggernaut
273846 | Zig:22   | Noticed a juggernaut
273846 | Zig:22   | Killed a juggernaut
273846 | Zig:22   | Killed a juggernaut
273846 | Zig:22   | Killed a juggernaut
273846 | Zig:22   | Killed a juggernaut
273846 | Zig:22   | Killed a juggernaut
273846 | Zig:22   | Killed a juggernaut
273846 | Zig:22   | Killed a juggernaut
273846 | Zig:22   | Killed a juggernaut
273846 | Zig:22   | Noticed a juggernaut
273847 | Zig:22   | Noticed a juggernaut
273847 | Zig:22   | Killed a juggernaut
273847 | Zig:22   | Killed a juggernaut
273847 | Zig:22   | Killed a juggernaut
273847 | Zig:22   | Killed a juggernaut
273847 | Zig:22   | Killed a juggernaut
273848 | Zig:22   | Noticed a juggernaut
273848 | Zig:22   | Noticed a juggernaut
273849 | Zig:22   | Noticed a juggernaut
273849 | Zig:22   | Noticed a juggernaut
273849 | Zig:22   | Noticed a juggernaut
273850 | Zig:22   | Noticed a juggernaut
273851 | Zig:22   | Killed a juggernaut
273851 | Zig:22   | Noticed a juggernaut
273851 | Zig:22   | Noticed a juggernaut
273851 | Zig:22   | Noticed a juggernaut
273852 | Zig:22   | Noticed a juggernaut
273852 | Zig:22   | Noticed a juggernaut
273852 | Zig:22   | Noticed a juggernaut
273852 | Zig:22   | Noticed a juggernaut
273852 | Zig:22   | Noticed a juggernaut
273852 | Zig:22   | Noticed a juggernaut
273852 | Zig:22   | Noticed a juggernaut
273853 | Zig:22   | Killed a juggernaut
273853 | Zig:22   | Killed a juggernaut
273853 | Zig:22   | Killed a juggernaut
273853 | Zig:22   | Killed a juggernaut
273853 | Zig:22   | Killed a juggernaut
273854 | Zig:22   | Killed a juggernaut
273854 | Zig:22   | Killed a juggernaut
273854 | Zig:22   | Killed a juggernaut
273854 | Zig:22   | Killed a juggernaut
273854 | Zig:22   | Killed a juggernaut
273855 | Zig:22   | Noticed a juggernaut
273855 | Zig:22   | Killed a juggernaut
273855 | Zig:22   | Killed a juggernaut
273855 | Zig:22   | Killed a juggernaut
273856 | Zig:22   | Killed a juggernaut
273856 | Zig:22   | Killed a juggernaut
273856 | Zig:22   | Killed a juggernaut
273856 | Zig:22   | Noticed a juggernaut
273857 | Zig:22   | Noticed a juggernaut
273857 | Zig:22   | Noticed a juggernaut
273858 | Zig:22   | Noticed a juggernaut
273858 | Zig:22   | Killed a juggernaut
273858 | Zig:22   | Killed a juggernaut
273858 | Zig:22   | Noticed a juggernaut
273860 | Zig:22   | Killed a juggernaut
273860 | Zig:22   | Killed a juggernaut
273860 | Zig:22   | Killed a juggernaut
273862 | Zig:22   | Killed a juggernaut
273864 | Zig:22   | Noticed a juggernaut
273864 | Zig:22   | Noticed a juggernaut
273867 | Zig:22   | Noticed a juggernaut
273868 | Zig:22   | Killed a juggernaut
273869 | Zig:22   | Identified the +7 arbalest of the Madman {speed, rCorr
                  | Str+3}
273869 | Zig:22   | Killed a juggernaut
273871 | Zig:22   | Killed a juggernaut
274230 | Zig:22   | Identified the +4 mace of Annoyance {speed, rCorr}
274234 | Zig:22   | Identified the +6 halberd "Riatihin" {antimagic, rElec
                  | Dex+3 Stlth+}
274248 | Zig:22   | Identified the staff of Overwhelming Force {^Fragile rElec
                  | rPois Ice Earth Alchemy}
274260 | Zig:22   | Identified the staff "Dig Ujut" {Fly rF+ Str+4 Int-4 Necro
                  | Fire}
274353 | Zig:22   | Identified the staff of Imbalance {rCorr Dex-4 Hexes Earth}
274356 | Zig:22   | Identified the +6 chain mail of the Armoured One {rF+}
274357 | Zig:22   | Identified the staff of Fafauwk {rElec Will- Str+3 Summ
                  | Earth}
274360 | Zig:22   | Identified the staff of Kash {rElec Str+3 Air}
274383 | Zig:22   | Identified the +1 hand axe "Buleinef" {heavy, rC+ Int+5
                  | Dex+4}
274415 | Zig:22   | Identified the ring "Fischoh" {rElec rF- rN+ Dex+3}
274421 | Zig:22   | Identified the +1 broad axe "Tyovuw" {vamp, rPois Will+
                  | Stlth+}
274432 | Zig:22   | Identified the ring of Moral Flaws {rF+ rC+ Str+2}
274434 | Zig:22   | Identified the +0 ring mail of Inevitability {rPois Regen+
                  | rCorr}
274445 | Zig:22   | Identified the +0 dagger "Xedo Uta" {freeze, rF+ rN+}
274574 | Zig:23   | Entered Level 23 of a ziggurat
274577 | Zig:23   | Noticed Goust the pandemonium lord
274577 | Zig:23   | Noticed Jilueh the pandemonium lord
274578 | Zig:23   | Noticed Jesi the pandemonium lord
274578 | Zig:23   | Noticed Ituggu the pandemonium lord
274578 | Zig:23   | Noticed Idoatexe the pandemonium lord
274579 | Zig:23   | Noticed Bumeulum the pandemonium lord
274580 | Zig:23   | Killed Jilueh the pandemonium lord
274580 | Zig:23   | Killed Ituggu the pandemonium lord
274581 | Zig:23   | Noticed Gyisuh the pandemonium lord
274581 | Zig:23   | Noticed Usaostom the pandemonium lord
274581 | Zig:23   | Noticed Deni Zic the pandemonium lord
274582 | Zig:23   | Noticed Ifacs the pandemonium lord
274583 | Zig:23   | Noticed Siteol the pandemonium lord
274583 | Zig:23   | Noticed Zuemmew the pandemonium lord
274583 | Zig:23   | Killed Bumeulum the pandemonium lord
274583 | Zig:23   | Noticed Weralaysh the pandemonium lord
274583 | Zig:23   | Noticed Ysaysty the pandemonium lord
274583 | Zig:23   | Noticed Wymn the pandemonium lord
274583 | Zig:23   | Noticed Vixuuc the pandemonium lord
274583 | Zig:23   | Noticed Viemietoe the pandemonium lord
274584 | Zig:23   | Killed Usaostom the pandemonium lord
274584 | Zig:23   | Killed Idoatexe the pandemonium lord
274584 | Zig:23   | Killed Zuemmew the pandemonium lord
274584 | Zig:23   | Noticed Hiegyjia the pandemonium lord
274584 | Zig:23   | Noticed Longyb the pandemonium lord
274584 | Zig:23   | Noticed Tyapahenk the pandemonium lord
274585 | Zig:23   | Noticed Teokhaomn the pandemonium lord
274585 | Zig:23   | Noticed Rysi Uru the pandemonium lord
274585 | Zig:23   | Noticed Lov Oqaf the pandemonium lord
274585 | Zig:23   | Noticed Ekhlange the pandemonium lord
274585 | Zig:23   | Noticed Ujazazeh the pandemonium lord
274585 | Zig:23   | Noticed Pohale the pandemonium lord
274585 | Zig:23   | Noticed Elyff the pandemonium lord
274585 | Zig:23   | Noticed Tiuntiextuv the pandemonium lord
274586 | Zig:23   | Noticed Lucuq the pandemonium lord
274586 | Zig:23   | Killed Weralaysh the pandemonium lord
274586 | Zig:23   | Killed Ifacs the pandemonium lord
274586 | Zig:23   | Noticed Qusun the pandemonium lord
274586 | Zig:23   | Killed Jesi the pandemonium lord
274586 | Zig:23   | Noticed Pututane the pandemonium lord
274587 | Zig:23   | Killed Deni Zic the pandemonium lord
274587 | Zig:23   | Killed Lov Oqaf the pandemonium lord
274587 | Zig:23   | Killed Tyapahenk the pandemonium lord
274588 | Zig:23   | Killed Gyisuh the pandemonium lord
274588 | Zig:23   | Killed Longyb the pandemonium lord
274588 | Zig:23   | Killed Teokhaomn the pandemonium lord
274588 | Zig:23   | Killed Wymn the pandemonium lord
274588 | Zig:23   | Killed Viemietoe the pandemonium lord
274588 | Zig:23   | Killed Pututane the pandemonium lord
274588 | Zig:23   | Noticed Gurhisk the pandemonium lord
274588 | Zig:23   | Noticed Pili the pandemonium lord
274588 | Zig:23   | Noticed Uliy the pandemonium lord
274588 | Zig:23   | Noticed Ytwes the pandemonium lord
274589 | Zig:23   | Noticed Fazeis the pandemonium lord
274589 | Zig:23   | Noticed Izoch the pandemonium lord
274589 | Zig:23   | Noticed Ompe Enu the pandemonium lord
274590 | Zig:23   | Noticed Genwalest the pandemonium lord
274590 | Zig:23   | Noticed Aprot the pandemonium lord
274591 | Zig:23   | Noticed Hyek the pandemonium lord
274591 | Zig:23   | Noticed Cezalis the pandemonium lord
274591 | Zig:23   | Killed Siteol the pandemonium lord
274591 | Zig:23   | Noticed Miawkeocw the pandemonium lord
274591 | Zig:23   | Noticed Gugricw the pandemonium lord
274592 | Zig:23   | Noticed Romubo the pandemonium lord
274592 | Zig:23   | Noticed Tioruyv the pandemonium lord
274592 | Zig:23   | Noticed Goetius the pandemonium lord
274592 | Zig:23   | Noticed Keastrote the pandemonium lord
274593 | Zig:23   | Killed Pohale the pandemonium lord
274594 | Zig:23   | Noticed Tammen the pandemonium lord
274594 | Zig:23   | Killed Goust the pandemonium lord
274594 | Zig:23   | Killed Vixuuc the pandemonium lord
274594 | Zig:23   | Killed Genwalest the pandemonium lord
274594 | Zig:23   | Killed Ompe Enu the pandemonium lord
274594 | Zig:23   | Killed Pili the pandemonium lord
274594 | Zig:23   | Killed Rysi Uru the pandemonium lord
274594 | Zig:23   | Killed Elyff the pandemonium lord
274594 | Zig:23   | Noticed Asyishruy the pandemonium lord
274594 | Zig:23   | Noticed Obbacu the pandemonium lord
274594 | Zig:23   | Noticed Guggor the pandemonium lord
274595 | Zig:23   | Killed Lucuq the pandemonium lord
274595 | Zig:23   | Killed Qusun the pandemonium lord
274595 | Zig:23   | Noticed Mikuuz the pandemonium lord
274595 | Zig:23   | Noticed Osov the pandemonium lord
274595 | Zig:23   | Killed Hiegyjia the pandemonium lord
274595 | Zig:23   | Noticed Xemeh the pandemonium lord
274595 | Zig:23   | Noticed Rouqem the pandemonium lord
274596 | Zig:23   | Killed Tiuntiextuv the pandemonium lord
274596 | Zig:23   | Killed Hyek the pandemonium lord
274596 | Zig:23   | Killed Romubo the pandemonium lord
274596 | Zig:23   | Killed Tioruyv the pandemonium lord
274596 | Zig:23   | Killed Ysaysty the pandemonium lord
274596 | Zig:23   | Killed Ekhlange the pandemonium lord
274596 | Zig:23   | Killed Aprot the pandemonium lord
274596 | Zig:23   | Killed Ujazazeh the pandemonium lord
274596 | Zig:23   | Killed Goetius the pandemonium lord
274596 | Zig:23   | Noticed Etaraus the pandemonium lord
274596 | Zig:23   | Noticed Heticwod the pandemonium lord
274596 | Zig:23   | Noticed Nustru the pandemonium lord
274597 | Zig:23   | Noticed Pyfun the pandemonium lord
274597 | Zig:23   | Noticed Cuoshac the pandemonium lord
274597 | Zig:23   | Noticed Awniteih the pandemonium lord
274597 | Zig:23   | Noticed Jeomumic the pandemonium lord
274597 | Zig:23   | Noticed Won Suw the pandemonium lord
274597 | Zig:23   | Noticed Lacsinau the pandemonium lord
274597 | Zig:23   | Noticed Fiepadwa the pandemonium lord
274597 | Zig:23   | Killed Fazeis the pandemonium lord
274597 | Zig:23   | Noticed Naexasiot the pandemonium lord
274597 | Zig:23   | Noticed Ytets the pandemonium lord
274598 | Zig:23   | Noticed Nausch the pandemonium lord
274598 | Zig:23   | Noticed Xutogh the pandemonium lord
274598 | Zig:23   | Killed Xemeh the pandemonium lord
274598 | Zig:23   | Killed Tammen the pandemonium lord
274598 | Zig:23   | Killed Won Suw the pandemonium lord
274598 | Zig:23   | Killed Miawkeocw the pandemonium lord
274598 | Zig:23   | Noticed Oseik the pandemonium lord
274598 | Zig:23   | Noticed Zaemay the pandemonium lord
274599 | Zig:23   | Noticed Seyffufu the pandemonium lord
274599 | Zig:23   | Noticed Mimaluin the pandemonium lord
274599 | Zig:23   | Noticed Xaros the pandemonium lord
274599 | Zig:23   | Noticed Zahyzumu the pandemonium lord
274600 | Zig:23   | Noticed Koiram the pandemonium lord
274600 | Zig:23   | Noticed Lacuxtue the pandemonium lord
274601 | Zig:23   | Noticed Bityjefa the pandemonium lord
274601 | Zig:23   | Noticed Teengool the pandemonium lord
274601 | Zig:23   | Noticed Galocioll the pandemonium lord
274601 | Zig:23   | Noticed Kielusk the pandemonium lord
274602 | Zig:23   | Noticed Lolejaf the pandemonium lord
274602 | Zig:23   | Noticed Hobuad the pandemonium lord
274603 | Zig:23   | Noticed Niwifowk the pandemonium lord
274603 | Zig:23   | Noticed Houg the pandemonium lord
274603 | Zig:23   | Noticed Fuluh the pandemonium lord
274603 | Zig:23   | Killed Nustru the pandemonium lord
274603 | Zig:23   | Killed Obbacu the pandemonium lord
274603 | Zig:23   | Noticed Witwuo the pandemonium lord
274604 | Zig:23   | Noticed Fucuas Ihuq the pandemonium lord
274604 | Zig:23   | Noticed Kalafem the pandemonium lord
274605 | Zig:23   | Noticed Lofoatt the pandemonium lord
274605 | Zig:23   | Noticed Milaa the pandemonium lord
274607 | Zig:23   | Noticed Dapp the pandemonium lord
274608 | Zig:23   | Killed Mikuuz the pandemonium lord
274608 | Zig:23   | Killed Keastrote the pandemonium lord
274608 | Zig:23   | Killed Lolejaf the pandemonium lord
274608 | Zig:23   | Noticed Feto the pandemonium lord
274608 | Zig:23   | Noticed Kutean the pandemonium lord
274609 | Zig:23   | Killed Lofoatt the pandemonium lord
274609 | Zig:23   | Killed Uliy the pandemonium lord
274609 | Zig:23   | Killed Lacsinau the pandemonium lord
274610 | Zig:23   | Noticed Xetavauq the pandemonium lord
274610 | Zig:23   | Killed Fuluh the pandemonium lord
274610 | Zig:23   | Killed Zaemay the pandemonium lord
274610 | Zig:23   | Killed Ytwes the pandemonium lord
274610 | Zig:23   | Killed Milaa the pandemonium lord
274610 | Zig:23   | Killed Guggor the pandemonium lord
274610 | Zig:23   | Killed Rouqem the pandemonium lord
274610 | Zig:23   | Noticed Leowkix the pandemonium lord
274611 | Zig:23   | Killed Cezalis the pandemonium lord
274611 | Zig:23   | Killed Dapp the pandemonium lord
274611 | Zig:23   | Killed Oseik the pandemonium lord
274611 | Zig:23   | Killed Osov the pandemonium lord
274611 | Zig:23   | Killed Hobuad the pandemonium lord
274611 | Zig:23   | Killed Xaros the pandemonium lord
274611 | Zig:23   | Killed Pyfun the pandemonium lord
274611 | Zig:23   | Killed Bityjefa the pandemonium lord
274611 | Zig:23   | Killed Asyishruy the pandemonium lord
274611 | Zig:23   | Killed Galocioll the pandemonium lord
274611 | Zig:23   | Noticed Mokeoh the pandemonium lord
274612 | Zig:23   | Killed Izoch the pandemonium lord
274612 | Zig:23   | Killed Witwuo the pandemonium lord
274612 | Zig:23   | Killed Teengool the pandemonium lord
274612 | Zig:23   | Killed Feto the pandemonium lord
274612 | Zig:23   | Killed Nausch the pandemonium lord
274612 | Zig:23   | Killed Niwifowk the pandemonium lord
274612 | Zig:23   | Noticed Wehapp the pandemonium lord
274612 | Zig:23   | Noticed Hupiru Feumn the pandemonium lord
274612 | Zig:23   | Noticed Ekhobes the pandemonium lord
274612 | Zig:23   | Noticed Bohiac the pandemonium lord
274612 | Zig:23   | Noticed Reidoi the pandemonium lord
274612 | Zig:23   | Noticed Etynal the pandemonium lord
274612 | Zig:23   | Noticed Huosaib the pandemonium lord
274612 | Zig:23   | Noticed Seyvimic the pandemonium lord
274612 | Zig:23   | Noticed Mokava the pandemonium lord
274612 | Zig:23   | Noticed Pauriveh the pandemonium lord
274612 | Zig:23   | Noticed Dulurioblo the pandemonium lord
274613 | Zig:23   | Noticed Jutwen the pandemonium lord
274615 | Zig:23   | Killed Naexasiot the pandemonium lord
274615 | Zig:23   | Killed Xetavauq the pandemonium lord
274616 | Zig:23   | Killed Kielusk the pandemonium lord
274617 | Zig:23   | Killed Awniteih the pandemonium lord
274617 | Zig:23   | Killed Ytets the pandemonium lord
274617 | Zig:23   | Killed Leowkix the pandemonium lord
274617 | Zig:23   | Killed Houg the pandemonium lord
274617 | Zig:23   | Killed Gurhisk the pandemonium lord
274617 | Zig:23   | Killed Dulurioblo the pandemonium lord
274617 | Zig:23   | Killed Kalafem the pandemonium lord
274619 | Zig:23   | Killed Fiepadwa the pandemonium lord
274620 | Zig:23   | Noticed Wijaonav the pandemonium lord
274620 | Zig:23   | Noticed Kirowux the pandemonium lord
274621 | Zig:23   | Killed Mimaluin the pandemonium lord
274621 | Zig:23   | Killed Etynal the pandemonium lord
274621 | Zig:23   | Killed Seyffufu the pandemonium lord
274621 | Zig:23   | Killed Reidoi the pandemonium lord
274621 | Zig:23   | Killed Koiram the pandemonium lord
274622 | Zig:23   | Killed Kutean the pandemonium lord
274622 | Zig:23   | Killed Jeomumic the pandemonium lord
274622 | Zig:23   | Killed Fucuas Ihuq the pandemonium lord
274622 | Zig:23   | Killed Gugricw the pandemonium lord
274622 | Zig:23   | Noticed Ixzyl the pandemonium lord
274622 | Zig:23   | Noticed Muthroo the pandemonium lord
274622 | Zig:23   | Killed Pauriveh the pandemonium lord
274623 | Zig:23   | Killed Heticwod the pandemonium lord
274624 | Zig:23   | Noticed Poskeh the pandemonium lord
274624 | Zig:23   | Noticed Unari the pandemonium lord
274625 | Zig:23   | Noticed Jutoenui the pandemonium lord
274625 | Zig:23   | Noticed Miypt the pandemonium lord
274626 | Zig:23   | Killed Wijaonav the pandemonium lord
274626 | Zig:23   | Noticed Jirajon the pandemonium lord
274627 | Zig:23   | Killed Bohiac the pandemonium lord
274627 | Zig:23   | Killed Hupiru Feumn the pandemonium lord
274627 | Zig:23   | Noticed Duotac the pandemonium lord
274627 | Zig:23   | Noticed Zoaplihy the pandemonium lord
274627 | Zig:23   | Noticed Axtec the pandemonium lord
274628 | Zig:23   | Noticed Rott the pandemonium lord
274629 | Zig:23   | Noticed Ugreif the pandemonium lord
274629 | Zig:23   | Noticed Posontimp the pandemonium lord
274630 | Zig:23   | Killed Ixzyl the pandemonium lord
274630 | Zig:23   | Killed Kirowux the pandemonium lord
274630 | Zig:23   | Killed Ugreif the pandemonium lord
274630 | Zig:23   | Killed Zoaplihy the pandemonium lord
274630 | Zig:23   | Killed Jutoenui the pandemonium lord
274630 | Zig:23   | Killed Muthroo the pandemonium lord
274630 | Zig:23   | Noticed Cisophiy the pandemonium lord
274631 | Zig:23   | Noticed Jontekijoan the pandemonium lord
274631 | Zig:23   | Killed Duotac the pandemonium lord
274631 | Zig:23   | Killed Huosaib the pandemonium lord
274631 | Zig:23   | Killed Seyvimic the pandemonium lord
274631 | Zig:23   | Killed Mokeoh the pandemonium lord
274631 | Zig:23   | Noticed Yttipn the pandemonium lord
274632 | Zig:23   | Noticed Jimun the pandemonium lord
274632 | Zig:23   | Killed Lacuxtue the pandemonium lord
274633 | Zig:23   | Noticed Gaommisy the pandemonium lord
274634 | Zig:23   | Killed Etaraus the pandemonium lord
274634 | Zig:23   | Killed Xutogh the pandemonium lord
274634 | Zig:23   | Killed Jutwen the pandemonium lord
274634 | Zig:23   | Noticed Nidi Cab the pandemonium lord
274635 | Zig:23   | Noticed Mijarus the pandemonium lord
274635 | Zig:23   | Noticed Pialilyb the pandemonium lord
274635 | Zig:23   | Noticed Effiunoe the pandemonium lord
274636 | Zig:23   | Killed Rott the pandemonium lord
274636 | Zig:23   | Killed Poskeh the pandemonium lord
274636 | Zig:23   | Killed Zahyzumu the pandemonium lord
274636 | Zig:23   | Killed Miypt the pandemonium lord
274636 | Zig:23   | Killed Effiunoe the pandemonium lord
274636 | Zig:23   | Noticed Niheic the pandemonium lord
274636 | Zig:23   | Killed Cisophiy the pandemonium lord
274636 | Zig:23   | Killed Nidi Cab the pandemonium lord
274637 | Zig:23   | Killed Ekhobes the pandemonium lord
274637 | Zig:23   | Killed Unari the pandemonium lord
274637 | Zig:23   | Killed Gaommisy the pandemonium lord
274637 | Zig:23   | Killed Jontekijoan the pandemonium lord
274637 | Zig:23   | Killed Mokava the pandemonium lord
274637 | Zig:23   | Killed Pialilyb the pandemonium lord
274637 | Zig:23   | Killed Posontimp the pandemonium lord
274637 | Zig:23   | Noticed Gion the pandemonium lord
274637 | Zig:23   | Noticed Konokka the pandemonium lord
274638 | Zig:23   | Noticed Ostoikhovi the pandemonium lord
274638 | Zig:23   | Killed Jirajon the pandemonium lord
274638 | Zig:23   | Killed Jimun the pandemonium lord
274638 | Zig:23   | Noticed Xirhutemm the pandemonium lord
274638 | Zig:23   | Noticed Ziadda the pandemonium lord
274639 | Zig:23   | Killed Cuoshac the pandemonium lord
274640 | Zig:23   | Killed Niheic the pandemonium lord
274640 | Zig:23   | Killed Mijarus the pandemonium lord
274640 | Zig:23   | Killed Dyon the pandemonium lord
274640 | Zig:23   | Killed Ygheul the pandemonium lord
274640 | Zig:23   | Killed Syqyasch the pandemonium lord
274640 | Zig:23   | Killed Ziadda the pandemonium lord
274641 | Zig:23   | Noticed Liotulliaps the pandemonium lord
274641 | Zig:23   | Noticed Veschashru the pandemonium lord
274641 | Zig:23   | Noticed Kuqobb the pandemonium lord
274641 | Zig:23   | Noticed Qexzum the pandemonium lord
274641 | Zig:23   | Noticed Hom Roil the pandemonium lord
274641 | Zig:23   | Noticed Zaemuxa the pandemonium lord
274642 | Zig:23   | Killed Yttipn the pandemonium lord
274642 | Zig:23   | Killed Xirhutemm the pandemonium lord
274642 | Zig:23   | Killed Liotulliaps the pandemonium lord
274642 | Zig:23   | Killed Axtec the pandemonium lord
274642 | Zig:23   | Noticed Bustri the pandemonium lord
274642 | Zig:23   | Killed Wehapp the pandemonium lord
274643 | Zig:23   | Noticed Omigoe the pandemonium lord
274644 | Zig:23   | Killed Gion the pandemonium lord
274644 | Zig:23   | Killed Zaemuxa the pandemonium lord
274645 | Zig:23   | Killed Konokka the pandemonium lord
274645 | Zig:23   | Killed Hom Roil the pandemonium lord
274645 | Zig:23   | Noticed Fygayhu the pandemonium lord
274645 | Zig:23   | Noticed Archieb the pandemonium lord
274645 | Zig:23   | Noticed Wuufam the pandemonium lord
274645 | Zig:23   | Killed Bustri the pandemonium lord
274646 | Zig:23   | Noticed Jaklust the pandemonium lord
274646 | Zig:23   | Noticed Kikeh the pandemonium lord
274646 | Zig:23   | Noticed Osureyta the pandemonium lord
274646 | Zig:23   | Noticed Gaydut the pandemonium lord
274646 | Zig:23   | Noticed Oconyst the pandemonium lord
274646 | Zig:23   | Noticed Voachiall the pandemonium lord
274646 | Zig:23   | Noticed Botheati the pandemonium lord
274646 | Zig:23   | Noticed Nidouzuh the pandemonium lord
274646 | Zig:23   | Noticed Fehoes the pandemonium lord
274647 | Zig:23   | Killed Omigoe the pandemonium lord
274647 | Zig:23   | Killed Qexzum the pandemonium lord
274647 | Zig:23   | Killed Fehoes the pandemonium lord
274647 | Zig:23   | Noticed Pooboit the pandemonium lord
274647 | Zig:23   | Noticed Igojify the pandemonium lord
274648 | Zig:23   | Noticed Qaisith the pandemonium lord
274648 | Zig:23   | Noticed Kury the pandemonium lord
274648 | Zig:23   | Noticed Cunaisou the pandemonium lord
274648 | Zig:23   | Noticed Nitor the pandemonium lord
274649 | Zig:23   | Noticed Axumpifi the pandemonium lord
274649 | Zig:23   | Killed Ostoikhovi the pandemonium lord
274649 | Zig:23   | Killed Kikeh the pandemonium lord
274649 | Zig:23   | Killed Kuqobb the pandemonium lord
274649 | Zig:23   | Killed Gaydut the pandemonium lord
274650 | Zig:23   | Killed Fygayhu the pandemonium lord
274651 | Zig:23   | Noticed Seget the pandemonium lord
274651 | Zig:23   | Noticed Unutox the pandemonium lord
274652 | Zig:23   | Noticed Saoxad the pandemonium lord
274652 | Zig:23   | Noticed Qarres the pandemonium lord
274653 | Zig:23   | Killed Veschashru the pandemonium lord
274653 | Zig:23   | Killed Botheati the pandemonium lord
274653 | Zig:23   | Killed Nitor the pandemonium lord
274653 | Zig:23   | Killed Axumpifi the pandemonium lord
274653 | Zig:23   | Killed Saoxad the pandemonium lord
274653 | Zig:23   | Noticed Elipub the pandemonium lord
274654 | Zig:23   | Noticed Ygirel the pandemonium lord
274654 | Zig:23   | Killed Igojify the pandemonium lord
274654 | Zig:23   | Killed Voachiall the pandemonium lord
274654 | Zig:23   | Killed Archieb the pandemonium lord
274654 | Zig:23   | Noticed Boqis Joe the pandemonium lord
274655 | Zig:23   | Killed Jaklust the pandemonium lord
274655 | Zig:23   | Noticed Gisue the pandemonium lord
274655 | Zig:23   | Noticed Ihafij the pandemonium lord
274655 | Zig:23   | Noticed Coevaokh the pandemonium lord
274656 | Zig:23   | Noticed Yrphaithra the pandemonium lord
274657 | Zig:23   | Noticed Duskatac the pandemonium lord
274658 | Zig:23   | Noticed Zebb the pandemonium lord
274658 | Zig:23   | Noticed Lein the pandemonium lord
274659 | Zig:23   | Killed Unutox the pandemonium lord
274660 | Zig:23   | Killed Nidouzuh the pandemonium lord
274660 | Zig:23   | Killed Boqis Joe the pandemonium lord
274661 | Zig:23   | Killed Cunaisou the pandemonium lord
274661 | Zig:23   | Killed Qarres the pandemonium lord
274661 | Zig:23   | Killed Elipub the pandemonium lord
274662 | Zig:23   | Killed Qaisith the pandemonium lord
274662 | Zig:23   | Killed Seget the pandemonium lord
274662 | Zig:23   | Killed Kury the pandemonium lord
274662 | Zig:23   | Noticed Dausovor the pandemonium lord
274663 | Zig:23   | Killed Pooboit the pandemonium lord
274663 | Zig:23   | Noticed Dofej the pandemonium lord
274664 | Zig:23   | Killed Gisue the pandemonium lord
274664 | Zig:23   | Killed Oconyst the pandemonium lord
274664 | Zig:23   | Killed Lein the pandemonium lord
274664 | Zig:23   | Killed Dausovor the pandemonium lord
274665 | Zig:23   | Killed Yrphaithra the pandemonium lord
274665 | Zig:23   | Killed Coevaokh the pandemonium lord
274665 | Zig:23   | Noticed Axkel the pandemonium lord
274665 | Zig:23   | Noticed Kitasoall the pandemonium lord
274665 | Zig:23   | Noticed Widass the pandemonium lord
274665 | Zig:23   | Noticed Daskyl the pandemonium lord
274665 | Zig:23   | Noticed Nah Xit the pandemonium lord
274665 | Zig:23   | Noticed Zuxoewiu the pandemonium lord
274666 | Zig:23   | Killed Ihafij the pandemonium lord
274667 | Zig:23   | Noticed Wulut the pandemonium lord
274667 | Zig:23   | Killed Osureyta the pandemonium lord
274667 | Zig:23   | Killed Duskatac the pandemonium lord
274667 | Zig:23   | Killed Dofej the pandemonium lord
274667 | Zig:23   | Killed Axkel the pandemonium lord
274667 | Zig:23   | Noticed Pibriny the pandemonium lord
274667 | Zig:23   | Noticed Zoash the pandemonium lord
274668 | Zig:23   | Killed Zebb the pandemonium lord
274669 | Zig:23   | Killed Kitasoall the pandemonium lord
274669 | Zig:23   | Killed Zoash the pandemonium lord
274669 | Zig:23   | Noticed Kosiur the pandemonium lord
274669 | Zig:23   | Noticed Vysiezea the pandemonium lord
274669 | Zig:23   | Noticed Sotira the pandemonium lord
274670 | Zig:23   | Killed Wuufam the pandemonium lord
274671 | Zig:23   | Killed Widass the pandemonium lord
274671 | Zig:23   | Killed Zuxoewiu the pandemonium lord
274671 | Zig:23   | Noticed Kashiffa the pandemonium lord
274671 | Zig:23   | Noticed Cab Lef the pandemonium lord
274672 | Zig:23   | Noticed Deol the pandemonium lord
274673 | Zig:23   | Noticed Ymiddara the pandemonium lord
274676 | Zig:23   | Killed Daskyl the pandemonium lord
274676 | Zig:23   | Killed Vysiezea the pandemonium lord
274676 | Zig:23   | Killed Pibriny the pandemonium lord
274676 | Zig:23   | Noticed Xiys the pandemonium lord
274677 | Zig:23   | Noticed Lynueg the pandemonium lord
274678 | Zig:23   | Killed Kosiur the pandemonium lord
274678 | Zig:23   | Killed Kashiffa the pandemonium lord
274678 | Zig:23   | Killed Wulut the pandemonium lord
274678 | Zig:23   | Killed Ymiddara the pandemonium lord
274679 | Zig:23   | Killed Deol the pandemonium lord
274679 | Zig:23   | Killed Sotira the pandemonium lord
274679 | Zig:23   | Killed Cab Lef the pandemonium lord
274679 | Zig:23   | Killed Nah Xit the pandemonium lord
274680 | Zig:23   | Noticed Teischohiy the pandemonium lord
274680 | Zig:23   | Noticed Vuukan Lylaa the pandemonium lord
274681 | Zig:23   | Noticed Yssud the pandemonium lord
274681 | Zig:23   | Noticed Demum the pandemonium lord
274681 | Zig:23   | Noticed Lodghiboa the pandemonium lord
274681 | Zig:23   | Noticed Icana the pandemonium lord
274682 | Zig:23   | Killed Demum the pandemonium lord
274683 | Zig:23   | Noticed Ihidafikka the pandemonium lord
274683 | Zig:23   | Noticed Fehuwnaf the pandemonium lord
274683 | Zig:23   | Noticed Kebomogh the pandemonium lord
274684 | Zig:23   | Killed Vuukan Lylaa the pandemonium lord
274684 | Zig:23   | Killed Icana the pandemonium lord
274684 | Zig:23   | Killed Lynueg the pandemonium lord
274685 | Zig:23   | Killed Ygirel the pandemonium lord
274685 | Zig:23   | Killed Xiys the pandemonium lord
274685 | Zig:23   | Killed Kebomogh the pandemonium lord
274685 | Zig:23   | Noticed Kips the pandemonium lord
274687 | Zig:23   | Noticed Rostat the pandemonium lord
274688 | Zig:23   | Killed Yssud the pandemonium lord
274688 | Zig:23   | Noticed Jiefo the pandemonium lord
274690 | Zig:23   | Killed Lodghiboa the pandemonium lord
274690 | Zig:23   | Killed Teischohiy the pandemonium lord
274691 | Zig:23   | Killed Ihidafikka the pandemonium lord
274691 | Zig:23   | Killed Kips the pandemonium lord
274691 | Zig:23   | Noticed Hoocwiuh the pandemonium lord
274693 | Zig:23   | Killed Jiefo the pandemonium lord
274693 | Zig:23   | Killed Fehuwnaf the pandemonium lord
274700 | Zig:23   | Killed Rostat the pandemonium lord
274704 | Zig:23   | Killed Hoocwiuh the pandemonium lord
275242 | Zig:23   | Identified the ring of Virihuro {rPois rC+ Int+4}
275264 | Zig:23   | Identified the +2 war axe of Moppot {freeze, ^Fragile rElec
                  | rN+}
275274 | Zig:23   | Identified the ring of Yzxuuw {rF+ rCorr MP+9 Slay+3}
275280 | Zig:23   | Identified the staff of the Vase {rF+ Necro Earth}
275281 | Zig:23   | Identified the +11 spear of the Sugar Beet {vamp, rC+}
275286 | Zig:23   | Identified the ring of the Imp {rElec rC- Str+6 Slay+4}
275296 | Zig:23   | Identified the +0 ring mail of Lethargy {Slay+2}
275307 | Zig:23   | Identified the ring "Roludeca" {AC+4 Slay+2}
275310 | Zig:23   | Identified the staff of the Fulmar {Fly Str+2 Int-5 Earth}
275321 | Zig:23   | Identified the +11 shortbow "Difoinenk" {heavy, Stlth+}
275324 | Zig:23   | Identified the +1 spear of Cocytus {freeze, ^Contam +Blink
                  | rCorr Dex-4}
275325 | Zig:23   | Identified the +1 hand axe "Sodur" {speed, Will+ Stlth+}
275330 | Zig:23   | Identified the staff of Mushrezud {*Corrode rN+ Str+2 Int+2
                  | Necro Ice}
275569 | Zig:24   | Entered Level 24 of a ziggurat
275569 | Zig:24   | Noticed a dread lich
275570 | Zig:24   | Noticed a royal mummy
275571 | Zig:24   | Noticed a royal mummy
275571 | Zig:24   | Noticed a royal mummy
275572 | Zig:24   | Killed a royal mummy
275572 | Zig:24   | Noticed a royal mummy
275572 | Zig:24   | Noticed a royal mummy
275572 | Zig:24   | Noticed a royal mummy
275573 | Zig:24   | Killed a dread lich
275573 | Zig:24   | Killed a royal mummy
275573 | Zig:24   | Killed a royal mummy
275573 | Zig:24   | Killed a royal mummy
275573 | Zig:24   | Killed a royal mummy
275573 | Zig:24   | Noticed a royal mummy
275573 | Zig:24   | Noticed a royal mummy
275574 | Zig:24   | Noticed a royal mummy
275574 | Zig:24   | Noticed a royal mummy
275574 | Zig:24   | Noticed a royal mummy
275574 | Zig:24   | Noticed a royal mummy
275574 | Zig:24   | Noticed a royal mummy
275575 | Zig:24   | Killed a royal mummy
275575 | Zig:24   | Killed a royal mummy
275575 | Zig:24   | Noticed a royal mummy
275575 | Zig:24   | Noticed a royal mummy
275575 | Zig:24   | Noticed a royal mummy
275576 | Zig:24   | Killed a royal mummy
275576 | Zig:24   | Killed a royal mummy
275576 | Zig:24   | Killed a royal mummy
275576 | Zig:24   | Killed a royal mummy
275576 | Zig:24   | Killed a royal mummy
275576 | Zig:24   | Noticed a royal mummy
275576 | Zig:24   | Noticed a royal mummy
275577 | Zig:24   | Killed a royal mummy
275577 | Zig:24   | Killed a royal mummy
275577 | Zig:24   | Killed a royal mummy
275577 | Zig:24   | Noticed a royal mummy
275577 | Zig:24   | Noticed a royal mummy
275577 | Zig:24   | Noticed a royal mummy
275577 | Zig:24   | Noticed a royal mummy
275578 | Zig:24   | Noticed a royal mummy
275578 | Zig:24   | Noticed a royal mummy
275578 | Zig:24   | Noticed a royal mummy
275578 | Zig:24   | Noticed a royal mummy
275579 | Zig:24   | Killed a royal mummy
275579 | Zig:24   | Killed a royal mummy
275579 | Zig:24   | Noticed a royal mummy
275579 | Zig:24   | Noticed a royal mummy
275579 | Zig:24   | Noticed a royal mummy
275579 | Zig:24   | Noticed a royal mummy
275579 | Zig:24   | Noticed a royal mummy
275580 | Zig:24   | Killed a royal mummy
275580 | Zig:24   | Killed a royal mummy
275580 | Zig:24   | Killed a royal mummy
275580 | Zig:24   | Killed a royal mummy
275580 | Zig:24   | Killed a royal mummy
275580 | Zig:24   | Killed a royal mummy
275580 | Zig:24   | Noticed a royal mummy
275581 | Zig:24   | Killed a royal mummy
275581 | Zig:24   | Killed a royal mummy
275581 | Zig:24   | Killed a royal mummy
275581 | Zig:24   | Killed a royal mummy
275581 | Zig:24   | Killed a royal mummy
275581 | Zig:24   | Killed a royal mummy
275581 | Zig:24   | Killed a royal mummy
275581 | Zig:24   | Noticed a royal mummy
275581 | Zig:24   | Noticed a royal mummy
275581 | Zig:24   | Noticed a royal mummy
275581 | Zig:24   | Noticed a royal mummy
275582 | Zig:24   | Noticed a royal mummy
275582 | Zig:24   | Noticed a royal mummy
275583 | Zig:24   | Killed a royal mummy
275583 | Zig:24   | Killed a royal mummy
275583 | Zig:24   | Noticed a royal mummy
275584 | Zig:24   | Killed a royal mummy
275584 | Zig:24   | Killed a royal mummy
275584 | Zig:24   | Killed a royal mummy
275584 | Zig:24   | Killed a royal mummy
275584 | Zig:24   | Noticed a royal mummy
275585 | Zig:24   | Noticed a royal mummy
275585 | Zig:24   | Noticed a royal mummy
275585 | Zig:24   | Killed a royal mummy
275586 | Zig:24   | Killed a royal mummy
275586 | Zig:24   | Noticed a royal mummy
275586 | Zig:24   | Noticed a royal mummy
275586 | Zig:24   | Noticed a royal mummy
275586 | Zig:24   | Noticed a royal mummy
275586 | Zig:24   | Noticed a royal mummy
275586 | Zig:24   | Noticed a royal mummy
275587 | Zig:24   | Noticed a royal mummy
275587 | Zig:24   | Noticed a royal mummy
275587 | Zig:24   | Noticed a royal mummy
275587 | Zig:24   | Noticed a royal mummy
275588 | Zig:24   | Killed a royal mummy
275588 | Zig:24   | Killed a royal mummy
275588 | Zig:24   | Killed a royal mummy
275589 | Zig:24   | Noticed a royal mummy
275589 | Zig:24   | Noticed a royal mummy
275589 | Zig:24   | Killed a royal mummy
275589 | Zig:24   | Noticed a royal mummy
275589 | Zig:24   | Noticed a royal mummy
275590 | Zig:24   | Killed a royal mummy
275590 | Zig:24   | Killed a royal mummy
275590 | Zig:24   | Killed a royal mummy
275590 | Zig:24   | Killed a royal mummy
275590 | Zig:24   | Noticed a royal mummy
275590 | Zig:24   | Noticed a royal mummy
275591 | Zig:24   | Noticed a royal mummy
275591 | Zig:24   | Killed a royal mummy
275591 | Zig:24   | Killed a royal mummy
275591 | Zig:24   | Killed a royal mummy
275591 | Zig:24   | Killed a royal mummy
275591 | Zig:24   | Killed a royal mummy
275591 | Zig:24   | Killed a royal mummy
275591 | Zig:24   | Killed a royal mummy
275591 | Zig:24   | Killed a royal mummy
275591 | Zig:24   | Noticed a royal mummy
275591 | Zig:24   | Noticed a royal mummy
275591 | Zig:24   | Noticed a royal mummy
275591 | Zig:24   | Noticed a royal mummy
275592 | Zig:24   | Noticed a royal mummy
275592 | Zig:24   | Noticed a royal mummy
275592 | Zig:24   | Noticed a royal mummy
275592 | Zig:24   | Killed a royal mummy
275592 | Zig:24   | Noticed a royal mummy
275593 | Zig:24   | Killed a royal mummy
275593 | Zig:24   | Killed a royal mummy
275593 | Zig:24   | Killed a royal mummy
275593 | Zig:24   | Noticed a royal mummy
275595 | Zig:24   | Killed a royal mummy
275595 | Zig:24   | Noticed a royal mummy
275595 | Zig:24   | Noticed a royal mummy
275595 | Zig:24   | Noticed a royal mummy
275596 | Zig:24   | Killed a royal mummy
275596 | Zig:24   | Killed a royal mummy
275596 | Zig:24   | Killed a royal mummy
275596 | Zig:24   | Killed a royal mummy
275596 | Zig:24   | Killed a royal mummy
275596 | Zig:24   | Noticed a royal mummy
275597 | Zig:24   | Killed a royal mummy
275597 | Zig:24   | Killed a royal mummy
275597 | Zig:24   | Killed a royal mummy
275597 | Zig:24   | Killed a royal mummy
275597 | Zig:24   | Killed a royal mummy
275597 | Zig:24   | Noticed a royal mummy
275597 | Zig:24   | Noticed a royal mummy
275598 | Zig:24   | Noticed a royal mummy
275598 | Zig:24   | Noticed a royal mummy
275598 | Zig:24   | Noticed a royal mummy
275598 | Zig:24   | Noticed a royal mummy
275598 | Zig:24   | Noticed a royal mummy
275598 | Zig:24   | Noticed a royal mummy
275598 | Zig:24   | Noticed a royal mummy
275599 | Zig:24   | Noticed a royal mummy
275600 | Zig:24   | Killed a royal mummy
275600 | Zig:24   | Killed a royal mummy
275600 | Zig:24   | Killed a royal mummy
275600 | Zig:24   | Killed a royal mummy
275600 | Zig:24   | Noticed a royal mummy
275600 | Zig:24   | Noticed a royal mummy
275600 | Zig:24   | Noticed a royal mummy
275601 | Zig:24   | Noticed a royal mummy
275601 | Zig:24   | Noticed a royal mummy
275602 | Zig:24   | Noticed a dread lich
275602 | Zig:24   | Killed a royal mummy
275602 | Zig:24   | Killed a royal mummy
275602 | Zig:24   | Killed a royal mummy
275602 | Zig:24   | Killed a royal mummy
275602 | Zig:24   | Killed a royal mummy
275602 | Zig:24   | Killed a royal mummy
275602 | Zig:24   | Killed a royal mummy
275602 | Zig:24   | Killed a royal mummy
275605 | Zig:24   | Noticed a dread lich
275606 | Zig:24   | Killed a royal mummy
275606 | Zig:24   | Killed a dread lich
275606 | Zig:24   | Killed a royal mummy
275606 | Zig:24   | Killed a royal mummy
275606 | Zig:24   | Killed a royal mummy
275606 | Zig:24   | Killed a dread lich
275606 | Zig:24   | Noticed a royal mummy
275606 | Zig:24   | Noticed a royal mummy
275607 | Zig:24   | Noticed a royal mummy
275607 | Zig:24   | Noticed a royal mummy
275607 | Zig:24   | Noticed a royal mummy
275608 | Zig:24   | Killed a royal mummy
275611 | Zig:24   | Killed a royal mummy
275611 | Zig:24   | Killed a royal mummy
275611 | Zig:24   | Killed a royal mummy
275611 | Zig:24   | Killed a royal mummy
275611 | Zig:24   | Killed a royal mummy
275611 | Zig:24   | Killed a royal mummy
275612 | Zig:24   | Noticed a royal mummy
275612 | Zig:24   | Noticed a royal mummy
275612 | Zig:24   | Noticed a royal mummy
275612 | Zig:24   | Noticed a royal mummy
275612 | Zig:24   | Noticed a royal mummy
275613 | Zig:24   | Killed a royal mummy
275613 | Zig:24   | Killed a royal mummy
275613 | Zig:24   | Noticed a royal mummy
275614 | Zig:24   | Noticed a royal mummy
275614 | Zig:24   | Noticed a royal mummy
275614 | Zig:24   | Noticed a royal mummy
275614 | Zig:24   | Noticed a royal mummy
275614 | Zig:24   | Noticed a royal mummy
275614 | Zig:24   | Noticed a royal mummy
275614 | Zig:24   | Noticed a royal mummy
275615 | Zig:24   | Killed a royal mummy
275615 | Zig:24   | Killed a royal mummy
275615 | Zig:24   | Killed a royal mummy
275615 | Zig:24   | Killed a royal mummy
275615 | Zig:24   | Killed a royal mummy
275615 | Zig:24   | Killed a royal mummy
275615 | Zig:24   | Noticed a royal mummy
275616 | Zig:24   | Noticed a royal mummy
275617 | Zig:24   | Killed a royal mummy
275617 | Zig:24   | Killed a royal mummy
275617 | Zig:24   | Killed a royal mummy
275618 | Zig:24   | Noticed a royal mummy
275618 | Zig:24   | Noticed a royal mummy
275618 | Zig:24   | Noticed a royal mummy
275618 | Zig:24   | Noticed a royal mummy
275619 | Zig:24   | Killed a royal mummy
275619 | Zig:24   | Killed a royal mummy
275619 | Zig:24   | Killed a royal mummy
275619 | Zig:24   | Killed a royal mummy
275620 | Zig:24   | Noticed a royal mummy
275621 | Zig:24   | Killed a royal mummy
275621 | Zig:24   | Killed a royal mummy
275621 | Zig:24   | Noticed a royal mummy
275622 | Zig:24   | Killed a royal mummy
275622 | Zig:24   | Killed a royal mummy
275623 | Zig:24   | Killed a royal mummy
275623 | Zig:24   | Killed a royal mummy
275624 | Zig:24   | Noticed a royal mummy
275624 | Zig:24   | Noticed a royal mummy
275625 | Zig:24   | Killed a royal mummy
275630 | Zig:24   | Noticed a royal mummy
275634 | Zig:24   | Killed a royal mummy
275634 | Zig:24   | Killed a royal mummy
276121 | Zig:24   | Identified the staff of the Unseen Realm {rElec rCorr Dex-5
                  | Earth}
276123 | Zig:24   | Identified the +4 spear "Waagh" {heavy, rPois rF+}
276131 | Zig:24   | Identified the +1 pair of boots of Teidos {rF+ Int+7 Dex-4}
276136 | Zig:24   | Identified the ring "Qecoha" {rN+ EV+5 SInv}
276140 | Zig:24   | Identified the +1 pair of gloves "Qaew" {MP+9 Str-2 SInv}
276142 | Zig:24   | Identified the amulet "Paryahil" {rElec Will+ Regen+}
276155 | Zig:24   | Identified the amulet "Toeminus" {RegenMP rPois rC++ Will-
                  | Slay+3}
276164 | Zig:24   | Identified the amulet of Kidwiex {Faith rN++}
276343 | Zig:25   | Entered Level 25 of a ziggurat
276698 | Zig:25   | Identified the +0 falchion of the Bruised Spines {flame,
                  | rF+}
276704 | Zig:25   | Identified the amulet "Kasteer" {Reflect ^Drain Fly Int+9
                  | Dex-3 SH+5}
277257 | Zig:25   | Identified the +1 orcbow of the Last Continents {drain,
                  | Str+2}
277391 | Zig:26   | Entered Level 26 of a ziggurat
277395 | Zig:26   | Noticed a juggernaut
277396 | Zig:26   | Noticed a juggernaut
277396 | Zig:26   | Noticed a juggernaut
277396 | Zig:26   | Noticed a juggernaut
277397 | Zig:26   | Killed a juggernaut
277398 | Zig:26   | Noticed a juggernaut
277398 | Zig:26   | Noticed a juggernaut
277399 | Zig:26   | Killed a juggernaut
277399 | Zig:26   | Killed a juggernaut
277399 | Zig:26   | Noticed a juggernaut
277399 | Zig:26   | Noticed a juggernaut
277401 | Zig:26   | Noticed a juggernaut
277401 | Zig:26   | Noticed a juggernaut
277401 | Zig:26   | Noticed a juggernaut
277402 | Zig:26   | Killed a juggernaut
277402 | Zig:26   | Killed a juggernaut
277402 | Zig:26   | Noticed a juggernaut
277402 | Zig:26   | Killed a juggernaut
277404 | Zig:26   | Noticed a juggernaut
277405 | Zig:26   | Killed a juggernaut
277405 | Zig:26   | Killed a juggernaut
277405 | Zig:26   | Killed a juggernaut
277405 | Zig:26   | Killed a juggernaut
277406 | Zig:26   | Noticed a juggernaut
277406 | Zig:26   | Noticed a juggernaut
277408 | Zig:26   | Noticed a juggernaut
277408 | Zig:26   | Killed a juggernaut
277408 | Zig:26   | Killed a juggernaut
277408 | Zig:26   | Killed a juggernaut
277408 | Zig:26   | Killed a juggernaut
277408 | Zig:26   | Noticed a juggernaut
277408 | Zig:26   | Noticed a juggernaut
277409 | Zig:26   | Noticed a juggernaut
277409 | Zig:26   | Noticed a juggernaut
277409 | Zig:26   | Noticed a juggernaut
277409 | Zig:26   | Noticed a juggernaut
277410 | Zig:26   | Noticed a juggernaut
277410 | Zig:26   | Noticed a juggernaut
277410 | Zig:26   | Noticed a juggernaut
277410 | Zig:26   | Noticed a juggernaut
277410 | Zig:26   | Noticed a juggernaut
277410 | Zig:26   | Noticed a juggernaut
277411 | Zig:26   | Noticed a juggernaut
277411 | Zig:26   | Noticed a juggernaut
277411 | Zig:26   | Killed a juggernaut
277411 | Zig:26   | Killed a juggernaut
277411 | Zig:26   | Noticed a juggernaut
277412 | Zig:26   | Noticed a juggernaut
277412 | Zig:26   | Noticed a juggernaut
277413 | Zig:26   | Noticed a juggernaut
277413 | Zig:26   | Noticed a juggernaut
277413 | Zig:26   | Noticed a juggernaut
277413 | Zig:26   | Noticed a juggernaut
277413 | Zig:26   | Noticed a juggernaut
277414 | Zig:26   | Noticed a juggernaut
277414 | Zig:26   | Noticed a juggernaut
277414 | Zig:26   | Noticed a juggernaut
277414 | Zig:26   | Killed a juggernaut
277414 | Zig:26   | Killed a juggernaut
277414 | Zig:26   | Killed a juggernaut
277414 | Zig:26   | Killed a juggernaut
277414 | Zig:26   | Killed a juggernaut
277414 | Zig:26   | Killed a juggernaut
277414 | Zig:26   | Killed a juggernaut
277414 | Zig:26   | Killed a juggernaut
277414 | Zig:26   | Killed a juggernaut
277414 | Zig:26   | Killed a juggernaut
277414 | Zig:26   | Killed a juggernaut
277414 | Zig:26   | Killed a juggernaut
277414 | Zig:26   | Killed a juggernaut
277414 | Zig:26   | Noticed a juggernaut
277415 | Zig:26   | Noticed a juggernaut
277415 | Zig:26   | Killed a juggernaut
277416 | Zig:26   | Noticed a juggernaut
277416 | Zig:26   | Noticed a juggernaut
277416 | Zig:26   | Noticed a juggernaut
277416 | Zig:26   | Noticed a juggernaut
277416 | Zig:26   | Killed a juggernaut
277417 | Zig:26   | Noticed a juggernaut
277417 | Zig:26   | Noticed a juggernaut
277417 | Zig:26   | Killed a juggernaut
277417 | Zig:26   | Killed a juggernaut
277417 | Zig:26   | Killed a juggernaut
277417 | Zig:26   | Killed a juggernaut
277417 | Zig:26   | Killed a juggernaut
277417 | Zig:26   | Killed a juggernaut
277417 | Zig:26   | Killed a juggernaut
277417 | Zig:26   | Killed a juggernaut
277417 | Zig:26   | Killed a juggernaut
277417 | Zig:26   | Killed a juggernaut
277417 | Zig:26   | Noticed a juggernaut
277417 | Zig:26   | Noticed a juggernaut
277417 | Zig:26   | Killed a juggernaut
277418 | Zig:26   | Noticed a juggernaut
277418 | Zig:26   | Killed a juggernaut
277418 | Zig:26   | Noticed a juggernaut
277419 | Zig:26   | Noticed a juggernaut
277419 | Zig:26   | Noticed a juggernaut
277419 | Zig:26   | Noticed a juggernaut
277419 | Zig:26   | Noticed a juggernaut
277420 | Zig:26   | Noticed a juggernaut
277420 | Zig:26   | Noticed a juggernaut
277420 | Zig:26   | Killed a juggernaut
277420 | Zig:26   | Killed a juggernaut
277420 | Zig:26   | Killed a juggernaut
277420 | Zig:26   | Killed a juggernaut
277420 | Zig:26   | Killed a juggernaut
277420 | Zig:26   | Killed a juggernaut
277420 | Zig:26   | Killed a juggernaut
277420 | Zig:26   | Noticed a juggernaut
277421 | Zig:26   | Noticed a juggernaut
277421 | Zig:26   | Noticed a juggernaut
277421 | Zig:26   | Noticed a juggernaut
277421 | Zig:26   | Killed a juggernaut
277421 | Zig:26   | Noticed a juggernaut
277422 | Zig:26   | Noticed a juggernaut
277422 | Zig:26   | Noticed a juggernaut
277422 | Zig:26   | Noticed a juggernaut
277422 | Zig:26   | Noticed a juggernaut
277422 | Zig:26   | Noticed a juggernaut
277423 | Zig:26   | Killed a juggernaut
277423 | Zig:26   | Killed a juggernaut
277423 | Zig:26   | Killed a juggernaut
277423 | Zig:26   | Killed a juggernaut
277423 | Zig:26   | Killed a juggernaut
277423 | Zig:26   | Killed a juggernaut
277423 | Zig:26   | Killed a juggernaut
277423 | Zig:26   | Killed a juggernaut
277423 | Zig:26   | Killed a juggernaut
277423 | Zig:26   | Killed a juggernaut
277423 | Zig:26   | Killed a juggernaut
277423 | Zig:26   | Killed a juggernaut
277424 | Zig:26   | Noticed a juggernaut
277424 | Zig:26   | Noticed a juggernaut
277424 | Zig:26   | Noticed a juggernaut
277424 | Zig:26   | Noticed a juggernaut
277425 | Zig:26   | Noticed a juggernaut
277425 | Zig:26   | Noticed a juggernaut
277426 | Zig:26   | Noticed a juggernaut
277426 | Zig:26   | Killed a juggernaut
277426 | Zig:26   | Killed a juggernaut
277426 | Zig:26   | Killed a juggernaut
277426 | Zig:26   | Killed a juggernaut
277426 | Zig:26   | Killed a juggernaut
277427 | Zig:26   | Noticed a juggernaut
277427 | Zig:26   | Noticed a juggernaut
277427 | Zig:26   | Noticed a juggernaut
277427 | Zig:26   | Noticed a juggernaut
277429 | Zig:26   | Killed a juggernaut
277429 | Zig:26   | Killed a juggernaut
277429 | Zig:26   | Killed a juggernaut
277429 | Zig:26   | Killed a juggernaut
277429 | Zig:26   | Killed a juggernaut
277429 | Zig:26   | Killed a juggernaut
277429 | Zig:26   | Killed a juggernaut
277430 | Zig:26   | Noticed a juggernaut
277431 | Zig:26   | Noticed a juggernaut
277432 | Zig:26   | Killed a juggernaut
277432 | Zig:26   | Killed a juggernaut
277432 | Zig:26   | Killed a juggernaut
277432 | Zig:26   | Killed a juggernaut
277434 | Zig:26   | Identified the +0 helmet of Reason {rElec rC+}
277437 | Zig:26   | Noticed a juggernaut
277439 | Zig:26   | Noticed a juggernaut
277439 | Zig:26   | Killed a juggernaut
277440 | Zig:26   | Killed a juggernaut
277440 | Zig:26   | Killed a juggernaut
277440 | Zig:26   | Killed a juggernaut
277443 | Zig:26   | Killed a juggernaut
277443 | Zig:26   | Killed a juggernaut
277443 | Zig:26   | Killed a juggernaut
277461 | Zig:26   | Noticed a juggernaut
277462 | Zig:26   | Noticed a juggernaut
277462 | Zig:26   | Noticed a juggernaut
277467 | Zig:26   | Killed a juggernaut
277467 | Zig:26   | Killed a juggernaut
277467 | Zig:26   | Killed a juggernaut
277467 | Zig:26   | Killed a juggernaut
277468 | Zig:26   | Noticed a juggernaut
277468 | Zig:26   | Killed a juggernaut
277469 | Zig:26   | Killed a juggernaut
277471 | Zig:26   | Killed a juggernaut
278085 | Zig:26   | Identified the +7 hand axe of Eternal Harmony {vamp, Fly
                  | rN+ Dex+4}
278111 | Zig:26   | Identified the +1 great mace "Dainureco" {heavy, Str+4
                  | Dex+8}
278139 | Zig:26   | Identified the +5 glaive "Luacvuv" {venom, rElec rN+}
278193 | Zig:26   | Identified the staff of Ghostly Expedience {rN+ Str+5 Dex-2
                  | Necro}
278221 | Zig:26   | Identified the staff of Day {rF++ Earth}
278227 | Zig:26   | Identified the +0 ring mail "Weuk" {rElec rN+ Stlth+}
278269 | Zig:26   | Identified the +0 troll leather armour of Baypo {rF+ rC-
                  | Regen+ rCorr Stlth+}
278279 | Zig:26   | Identified the +10 scimitar of Vanuej {holy, ^Fragile Fly
                  | Str+5}
278293 | Zig:26   | Identified the ring "Gicabo" {MP+9 EV+5}
278297 | Zig:26   | Identified the +3 spear "Toasid" {drain, Int+2 Dex+2}
278462 | Zig:27   | Entered Level 27 of a ziggurat
278634 | Zig:27   | Identified the +0 helmet of the Centipede {-Tele rElec rN+}
278637 | Zig:27   | Identified the +1 chain mail of Privacy {rF+ rC+ Will++
                  | Slay-5}
278639 | Zig:27   | Identified the +3 sling of Zoahehamn {flame, Int+9}
278671 | Zig:27   | Identified the +3 dagger "Kicsay" {vamp, *Noise Int+3
                  | Stlth+}
278865 | Zig:27   | Identified the +6 scale mail "Duahiyff" {rC+ Slay+2}
279531 | Depths:3 | Acquired 1076 gold pieces
279575 | Zig:1    | Entered Level 1 of a ziggurat
279583 | Zig:2    | Entered Level 2 of a ziggurat
279583 | Zig:2    | Noticed an ancient lich
279585 | Zig:2    | Killed an ancient lich
279691 | Zig:3    | Entered Level 3 of a ziggurat
279691 | Zig:3    | Noticed an ancient lich
279691 | Zig:3    | Noticed an ancient lich
279691 | Zig:3    | Noticed an ancient lich
279691 | Zig:3    | Noticed a dread lich
279691 | Zig:3    | Noticed a dread lich
279691 | Zig:3    | Noticed a dread lich
279691 | Zig:3    | Noticed a dread lich
279691 | Zig:3    | Noticed an ancient lich
279691 | Zig:3    | Noticed an ancient lich
279691 | Zig:3    | Noticed a dread lich
279691 | Zig:3    | Noticed a dread lich
279691 | Zig:3    | Noticed a dread lich
279691 | Zig:3    | Noticed a dread lich
279692 | Zig:3    | Killed a dread lich
279694 | Zig:3    | Killed an ancient lich
279695 | Zig:3    | Killed a dread lich
279695 | Zig:3    | Killed a dread lich
279695 | Zig:3    | Killed a dread lich
279695 | Zig:3    | Killed an ancient lich
279695 | Zig:3    | Killed a dread lich
279695 | Zig:3    | Killed an ancient lich
279696 | Zig:3    | Killed an ancient lich
279697 | Zig:3    | Killed a dread lich
279697 | Zig:3    | Killed an ancient lich
279697 | Zig:3    | Killed a dread lich
279697 | Zig:3    | Killed a dread lich
279704 | Zig:3    | Identified the ring "Huec" {rCorr AC+4}
279710 | Zig:4    | Entered Level 4 of a ziggurat
279710 | Zig:4    | Noticed a royal mummy
279710 | Zig:4    | Noticed a royal mummy
279710 | Zig:4    | Noticed a royal mummy
279710 | Zig:4    | Noticed a royal mummy
279710 | Zig:4    | Noticed a royal mummy
279710 | Zig:4    | Noticed a royal mummy
279710 | Zig:4    | Noticed a royal mummy
279710 | Zig:4    | Noticed a royal mummy
279710 | Zig:4    | Noticed a royal mummy
279710 | Zig:4    | Noticed a royal mummy
279710 | Zig:4    | Noticed a royal mummy
279710 | Zig:4    | Noticed a royal mummy
279711 | Zig:4    | Killed a royal mummy
279711 | Zig:4    | Killed a royal mummy
279711 | Zig:4    | Killed a royal mummy
279711 | Zig:4    | Killed a royal mummy
279711 | Zig:4    | Killed a royal mummy
279711 | Zig:4    | Killed a royal mummy
279711 | Zig:4    | Killed a royal mummy
279714 | Zig:4    | Killed a royal mummy
279716 | Zig:4    | Killed a royal mummy
279716 | Zig:4    | Killed a royal mummy
279716 | Zig:4    | Killed a royal mummy
279721 | Zig:4    | Killed a royal mummy
279809 | Zig:4    | Identified the +8 trident of Causality {elec, ^Contam rF+
                  | rCorr Dex+3}
279847 | Zig:4    | Identified the staff of the Chickpea {rPois Dex+3 Alchemy}
279867 | Zig:4    | Identified the +0 short sword "Kulamot" {elec, ^Drain rC+
                  | Dex+7}
279890 | Zig:5    | Entered Level 5 of a ziggurat
279890 | Zig:5    | Noticed a dread lich
279890 | Zig:5    | Noticed a dread lich
279890 | Zig:5    | Noticed an ancient lich
279890 | Zig:5    | Noticed an ancient lich
279890 | Zig:5    | Noticed an ancient lich
279890 | Zig:5    | Noticed a dread lich
279890 | Zig:5    | Noticed an ancient lich
279890 | Zig:5    | Noticed a dread lich
279890 | Zig:5    | Noticed a dread lich
279890 | Zig:5    | Noticed an ancient lich
279890 | Zig:5    | Noticed a dread lich
279890 | Zig:5    | Noticed an ancient lich
279890 | Zig:5    | Noticed an ancient lich
279890 | Zig:5    | Noticed an ancient lich
279890 | Zig:5    | Noticed an ancient lich
279890 | Zig:5    | Noticed an ancient lich
279890 | Zig:5    | Noticed a dread lich
279890 | Zig:5    | Noticed a dread lich
279890 | Zig:5    | Noticed an ancient lich
279890 | Zig:5    | Noticed an ancient lich
279890 | Zig:5    | Noticed a dread lich
279890 | Zig:5    | Noticed an ancient lich
279890 | Zig:5    | Noticed an ancient lich
279891 | Zig:5    | Killed a dread lich
279891 | Zig:5    | Killed an ancient lich
279891 | Zig:5    | Killed a dread lich
279891 | Zig:5    | Killed an ancient lich
279891 | Zig:5    | Killed a dread lich
279891 | Zig:5    | Killed a dread lich
279891 | Zig:5    | Killed a dread lich
279892 | Zig:5    | Noticed a dread lich
279892 | Zig:5    | Noticed a dread lich
279892 | Zig:5    | Noticed a dread lich
279893 | Zig:5    | Killed an ancient lich
279893 | Zig:5    | Killed an ancient lich
279893 | Zig:5    | Killed a dread lich
279893 | Zig:5    | Killed an ancient lich
279893 | Zig:5    | Killed an ancient lich
279893 | Zig:5    | Killed a dread lich
279893 | Zig:5    | Killed an ancient lich
279893 | Zig:5    | Killed an ancient lich
279893 | Zig:5    | Killed an ancient lich
279893 | Zig:5    | Killed a dread lich
279893 | Zig:5    | Killed an ancient lich
279893 | Zig:5    | Killed a dread lich
279893 | Zig:5    | Killed an ancient lich
279893 | Zig:5    | Killed a dread lich
279893 | Zig:5    | Killed a dread lich
279894 | Zig:5    | Killed an ancient lich
279894 | Zig:5    | Killed a dread lich
279894 | Zig:5    | Killed an ancient lich
279894 | Zig:5    | Killed an ancient lich
279940 | Zig:5    | Identified the staff of Disarray {rC+ Will+ Str+7 Int-2
                  | Tloc Ice}
279948 | Zig:5    | Identified the +2 sling of the Dowdy God {heavy, *Corrode
                  | rF+ Str+4 Stlth+}
280100 | Zig:6    | Entered Level 6 of a ziggurat
280100 | Zig:6    | Noticed Mojoaz's ghost (legendary GrFi)
280100 | Zig:6    | Noticed Mojoaz's ghost (legendary GrFi)
280100 | Zig:6    | Noticed Mojoaz's ghost (legendary GrFi)
280100 | Zig:6    | Noticed Mojoaz's ghost (legendary GrFi)
280100 | Zig:6    | Noticed Mojoaz's ghost (legendary GrFi)
280100 | Zig:6    | Noticed Mojoaz's ghost (legendary GrFi)
280100 | Zig:6    | Noticed Mojoaz's ghost (legendary GrFi)
280100 | Zig:6    | Noticed Mojoaz's ghost (legendary GrFi)
280100 | Zig:6    | Noticed Mojoaz's ghost (legendary GrFi)
280100 | Zig:6    | Noticed Mojoaz's ghost (legendary GrFi)
280100 | Zig:6    | Noticed Mojoaz's ghost (legendary GrFi)
280100 | Zig:6    | Noticed Mojoaz's ghost (legendary GrFi)
280100 | Zig:6    | Noticed Mojoaz's ghost (legendary GrFi)
280100 | Zig:6    | Noticed Mojoaz's ghost (legendary GrFi)
280100 | Zig:6    | Noticed Mojoaz's ghost (legendary GrFi)
280100 | Zig:6    | Noticed Mojoaz's ghost (legendary GrFi)
280100 | Zig:6    | Noticed Mojoaz's ghost (legendary GrFi)
280100 | Zig:6    | Noticed Mojoaz's ghost (legendary GrFi)
280100 | Zig:6    | Noticed Mojoaz's ghost (legendary GrFi)
280100 | Zig:6    | Noticed Mojoaz's ghost (legendary GrFi)
280100 | Zig:6    | Noticed Mojoaz's ghost (legendary GrFi)
280100 | Zig:6    | Noticed Mojoaz's ghost (legendary GrFi)
280100 | Zig:6    | Noticed Mojoaz's ghost (legendary GrFi)
280100 | Zig:6    | Noticed Mojoaz's ghost (legendary GrFi)
280100 | Zig:6    | Noticed Mojoaz's ghost (legendary GrFi)
280100 | Zig:6    | Noticed Mojoaz's ghost (legendary GrFi)
280100 | Zig:6    | Noticed Mojoaz's ghost (legendary GrFi)
280100 | Zig:6    | Noticed Mojoaz's ghost (legendary GrFi)
280100 | Zig:6    | Noticed Mojoaz's ghost (legendary GrFi)
280100 | Zig:6    | Noticed Mojoaz's ghost (legendary GrFi)
280100 | Zig:6    | Noticed Mojoaz's ghost (legendary GrFi)
280100 | Zig:6    | Noticed Mojoaz's ghost (legendary GrFi)
280102 | Zig:6    | Noticed Mojoaz's ghost (legendary GrFi)
280103 | Zig:6    | Killed Mojoaz's ghost
280104 | Zig:6    | Noticed Mojoaz's ghost (legendary GrFi)
280104 | Zig:6    | Noticed Mojoaz's ghost (legendary GrFi)
280104 | Zig:6    | Killed Mojoaz's ghost
280104 | Zig:6    | Killed Mojoaz's ghost
280104 | Zig:6    | Killed Mojoaz's ghost
280104 | Zig:6    | Killed Mojoaz's ghost
280105 | Zig:6    | Killed Mojoaz's ghost
280105 | Zig:6    | Killed Mojoaz's ghost
280105 | Zig:6    | Killed Mojoaz's ghost
280105 | Zig:6    | Killed Mojoaz's ghost
280105 | Zig:6    | Killed Mojoaz's ghost
280105 | Zig:6    | Killed Mojoaz's ghost
280105 | Zig:6    | Killed Mojoaz's ghost
280105 | Zig:6    | Killed Mojoaz's ghost
280105 | Zig:6    | Noticed Mojoaz's ghost (legendary GrFi)
280105 | Zig:6    | Noticed Mojoaz's ghost (legendary GrFi)
280105 | Zig:6    | Noticed Mojoaz's ghost (legendary GrFi)
280105 | Zig:6    | Noticed Mojoaz's ghost (legendary GrFi)
280106 | Zig:6    | Killed Mojoaz's ghost
280106 | Zig:6    | Killed Mojoaz's ghost
280106 | Zig:6    | Killed Mojoaz's ghost
280106 | Zig:6    | Killed Mojoaz's ghost
280106 | Zig:6    | Killed Mojoaz's ghost
280106 | Zig:6    | Killed Mojoaz's ghost
280106 | Zig:6    | Killed Mojoaz's ghost
280106 | Zig:6    | Noticed Mojoaz's ghost (legendary GrFi)
280106 | Zig:6    | Noticed Mojoaz's ghost (legendary GrFi)
280107 | Zig:6    | Killed Mojoaz's ghost
280107 | Zig:6    | Killed Mojoaz's ghost
280107 | Zig:6    | Killed Mojoaz's ghost
280107 | Zig:6    | Killed Mojoaz's ghost
280107 | Zig:6    | Killed Mojoaz's ghost
280107 | Zig:6    | Killed Mojoaz's ghost
280107 | Zig:6    | Killed Mojoaz's ghost
280107 | Zig:6    | Killed Mojoaz's ghost
280108 | Zig:6    | Killed Mojoaz's ghost
280108 | Zig:6    | Killed Mojoaz's ghost
280108 | Zig:6    | Killed Mojoaz's ghost
280108 | Zig:6    | Killed Mojoaz's ghost
280108 | Zig:6    | Killed Mojoaz's ghost
280108 | Zig:6    | Killed Mojoaz's ghost
280108 | Zig:6    | Noticed Mojoaz's ghost (legendary GrFi)
280109 | Zig:6    | Noticed Mojoaz's ghost (legendary GrFi)
280110 | Zig:6    | Killed Mojoaz's ghost
280110 | Zig:6    | Killed Mojoaz's ghost
280110 | Zig:6    | Killed Mojoaz's ghost
280110 | Zig:6    | Killed Mojoaz's ghost
280110 | Zig:6    | Killed Mojoaz's ghost
280110 | Zig:6    | Killed Mojoaz's ghost
280114 | Zig:6    | Killed Mojoaz's ghost
280114 | Zig:6    | Killed Mojoaz's ghost
280117 | Zig:6    | Killed Mojoaz's ghost
280335 | Zig:7    | Entered Level 7 of a ziggurat
280335 | Zig:7    | Noticed a royal mummy
280335 | Zig:7    | Noticed a royal mummy
280335 | Zig:7    | Noticed a royal mummy
280335 | Zig:7    | Noticed a royal mummy
280335 | Zig:7    | Noticed a royal mummy
280336 | Zig:7    | Killed a royal mummy
280336 | Zig:7    | Killed a royal mummy
280336 | Zig:7    | Killed a royal mummy
280336 | Zig:7    | Killed a royal mummy
280336 | Zig:7    | Killed a royal mummy
280337 | Zig:7    | Noticed a royal mummy
280338 | Zig:7    | Noticed a royal mummy
280338 | Zig:7    | Noticed a royal mummy
280341 | Zig:7    | Noticed a royal mummy
280343 | Zig:7    | Killed a royal mummy
280343 | Zig:7    | Killed a royal mummy
280343 | Zig:7    | Killed a royal mummy
280344 | Zig:7    | Killed a royal mummy
280418 | Zig:7    | Identified the +3 chain mail "Qudgh" {rN+ Dex+4}
280643 | Zig:8    | Entered Level 8 of a ziggurat
280669 | Zig:9    | Entered Level 9 of a ziggurat
280695 | Zig:10   | Entered Level 10 of a ziggurat
280701 | Zig:10   | Paralysed by accursed screaming for 2 turns
280708 | Zig:10   | Paralysed by accursed screaming for 2 turns
280721 | Zig:10   | Paralysed by accursed screaming for 1 turns
280733 | Zig:10   | Identified the ring "Jyjic" {*Corrode rC+ Int+5 Dex-4 SInv}
281052 | Zig:10   | Identified the +3 whip of Distant Worlds {venom, MP+9}
281081 | Zig:10   | Identified the ring "Roamaju" {Int+2 SInv}
281096 | Zig:10   | Identified the +2 leather armour of the Summoning Gods
                  | {^Drain rPois rF+ Dex+3}
281098 | Zig:10   | Identified the ring "Gouta" {rElec EV+5}
281104 | Zig:10   | Identified the +8 morningstar "Goblin's Death Toll"
                  | {protect, rN+ Str+2 Dex+3 Stlth-}
281160 | Zig:11   | Entered Level 11 of a ziggurat
281201 | Zig:12   | Entered Level 12 of a ziggurat
281229 | Zig:13   | Entered Level 13 of a ziggurat
281229 | Zig:13   | Noticed a dread lich
281229 | Zig:13   | Noticed an ancient lich
281229 | Zig:13   | Noticed a dread lich
281229 | Zig:13   | Noticed an ancient lich
281229 | Zig:13   | Noticed a dread lich
281229 | Zig:13   | Noticed an ancient lich
281229 | Zig:13   | Noticed an ancient lich
281229 | Zig:13   | Noticed an ancient lich
281229 | Zig:13   | Noticed an ancient lich
281229 | Zig:13   | Noticed a dread lich
281230 | Zig:13   | Killed an ancient lich
281230 | Zig:13   | Killed a dread lich
281231 | Zig:13   | Noticed a dread lich
281231 | Zig:13   | Noticed a dread lich
281231 | Zig:13   | Noticed an ancient lich
281231 | Zig:13   | Noticed a dread lich
281231 | Zig:13   | Noticed an ancient lich
281231 | Zig:13   | Noticed a dread lich
281231 | Zig:13   | Noticed a dread lich
281231 | Zig:13   | Noticed an ancient lich
281231 | Zig:13   | Noticed a dread lich
281231 | Zig:13   | Noticed an ancient lich
281232 | Zig:13   | Noticed a dread lich
281232 | Zig:13   | Killed an ancient lich
281232 | Zig:13   | Killed an ancient lich
281232 | Zig:13   | Killed an ancient lich
281232 | Zig:13   | Killed a dread lich
281232 | Zig:13   | Killed an ancient lich
281232 | Zig:13   | Killed a dread lich
281232 | Zig:13   | Killed a dread lich
281232 | Zig:13   | Killed an ancient lich
281232 | Zig:13   | Killed a dread lich
281232 | Zig:13   | Killed an ancient lich
281232 | Zig:13   | Killed a dread lich
281232 | Zig:13   | Killed a dread lich
281233 | Zig:13   | Noticed a dread lich
281233 | Zig:13   | Noticed a dread lich
281233 | Zig:13   | Noticed a dread lich
281233 | Zig:13   | Noticed an ancient lich
281233 | Zig:13   | Noticed a dread lich
281233 | Zig:13   | Noticed a dread lich
281234 | Zig:13   | Killed a dread lich
281234 | Zig:13   | Killed a dread lich
281234 | Zig:13   | Killed an ancient lich
281234 | Zig:13   | Killed an ancient lich
281234 | Zig:13   | Killed an ancient lich
281234 | Zig:13   | Killed a dread lich
281234 | Zig:13   | Killed a dread lich
281234 | Zig:13   | Killed a dread lich
281234 | Zig:13   | Noticed an ancient lich
281234 | Zig:13   | Noticed a dread lich
281234 | Zig:13   | Noticed a dread lich
281234 | Zig:13   | Noticed an ancient lich
281235 | Zig:13   | Noticed a dread lich
281235 | Zig:13   | Noticed a dread lich
281235 | Zig:13   | Noticed a dread lich
281236 | Zig:13   | Killed a dread lich
281236 | Zig:13   | Killed a dread lich
281236 | Zig:13   | Killed a dread lich
281236 | Zig:13   | Killed a dread lich
281236 | Zig:13   | Killed an ancient lich
281236 | Zig:13   | Killed a dread lich
281236 | Zig:13   | Noticed a dread lich
281236 | Zig:13   | Noticed a dread lich
281236 | Zig:13   | Noticed a dread lich
281236 | Zig:13   | Noticed a dread lich
281237 | Zig:13   | Noticed a dread lich
281237 | Zig:13   | Noticed a dread lich
281237 | Zig:13   | Noticed a dread lich
281238 | Zig:13   | Noticed an ancient lich
281238 | Zig:13   | Noticed an ancient lich
281238 | Zig:13   | Killed a dread lich
281238 | Zig:13   | Killed an ancient lich
281238 | Zig:13   | Killed a dread lich
281238 | Zig:13   | Killed a dread lich
281238 | Zig:13   | Killed a dread lich
281238 | Zig:13   | Killed a dread lich
281238 | Zig:13   | Killed a dread lich
281238 | Zig:13   | Killed an ancient lich
281238 | Zig:13   | Killed a dread lich
281238 | Zig:13   | Killed an ancient lich
281239 | Zig:13   | Noticed a dread lich
281239 | Zig:13   | Noticed a dread lich
281239 | Zig:13   | Noticed a dread lich
281239 | Zig:13   | Noticed an ancient lich
281239 | Zig:13   | Noticed a dread lich
281239 | Zig:13   | Noticed a dread lich
281240 | Zig:13   | Noticed an ancient lich
281240 | Zig:13   | Noticed a dread lich
281240 | Zig:13   | Noticed a dread lich
281240 | Zig:13   | Killed a dread lich
281240 | Zig:13   | Killed a dread lich
281240 | Zig:13   | Killed a dread lich
281240 | Zig:13   | Killed a dread lich
281240 | Zig:13   | Killed a dread lich
281240 | Zig:13   | Killed an ancient lich
281240 | Zig:13   | Killed a dread lich
281240 | Zig:13   | Killed a dread lich
281240 | Zig:13   | Killed a dread lich
281240 | Zig:13   | Killed an ancient lich
281240 | Zig:13   | Killed an ancient lich
281240 | Zig:13   | Noticed an ancient lich
281240 | Zig:13   | Noticed a dread lich
281240 | Zig:13   | Noticed an ancient lich
281241 | Zig:13   | Noticed an ancient lich
281241 | Zig:13   | Noticed a dread lich
281242 | Zig:13   | Killed an ancient lich
281242 | Zig:13   | Killed a dread lich
281242 | Zig:13   | Killed a dread lich
281242 | Zig:13   | Killed a dread lich
281242 | Zig:13   | Killed a dread lich
281242 | Zig:13   | Killed an ancient lich
281242 | Zig:13   | Noticed an ancient lich
281242 | Zig:13   | Noticed an ancient lich
281243 | Zig:13   | Noticed a dread lich
281243 | Zig:13   | Noticed an ancient lich
281243 | Zig:13   | Noticed a dread lich
281243 | Zig:13   | Noticed a dread lich
281243 | Zig:13   | Noticed an ancient lich
281243 | Zig:13   | Noticed a dread lich
281243 | Zig:13   | Noticed a dread lich
281244 | Zig:13   | Killed an ancient lich
281244 | Zig:13   | Killed a dread lich
281244 | Zig:13   | Killed an ancient lich
281244 | Zig:13   | Killed a dread lich
281244 | Zig:13   | Killed a dread lich
281245 | Zig:13   | Noticed a dread lich
281245 | Zig:13   | Noticed an ancient lich
281245 | Zig:13   | Noticed a dread lich
281245 | Zig:13   | Noticed a dread lich
281245 | Zig:13   | Noticed an ancient lich
281246 | Zig:13   | Killed an ancient lich
281246 | Zig:13   | Killed a dread lich
281246 | Zig:13   | Killed an ancient lich
281246 | Zig:13   | Killed a dread lich
281246 | Zig:13   | Killed an ancient lich
281246 | Zig:13   | Killed a dread lich
281246 | Zig:13   | Killed a dread lich
281246 | Zig:13   | Killed a dread lich
281246 | Zig:13   | Killed a dread lich
281246 | Zig:13   | Noticed a dread lich
281246 | Zig:13   | Noticed an ancient lich
281248 | Zig:13   | Killed an ancient lich
281248 | Zig:13   | Killed an ancient lich
281248 | Zig:13   | Killed a dread lich
281248 | Zig:13   | Killed an ancient lich
281248 | Zig:13   | Noticed an ancient lich
281252 | Zig:13   | Noticed an ancient lich
281253 | Zig:13   | Noticed an ancient lich
281254 | Zig:13   | Killed an ancient lich
281255 | Zig:13   | Killed an ancient lich
281256 | Zig:13   | Killed an ancient lich
281348 | Zig:13   | Identified the +4 orcbow "Maalenan" {freeze, rC- rCorr
                  | Dex+3}
281355 | Zig:13   | Identified the ring of Recklessness {Will+ AC+4 Str+2}
281358 | Zig:13   | Identified the +3 dagger "Rounguc" {spect, *Slow rPois
                  | rCorr Dex+4}
281360 | Zig:13   | Identified the amulet of Youthful Indiscretion {Reflect
                  | ^Fragile rF+ rCorr Dex+3 SH+5}
281372 | Zig:13   | Identified the +2 long sword of the Wizarding Big Fish
                  | {drain, +Blink rC+ Stlth+}
281373 | Zig:13   | Identified the ring of Nuruamitt {EV+5 Int+3 Stlth+}
281687 | Zig:14   | Entered Level 14 of a ziggurat
281715 | Zig:15   | Entered Level 15 of a ziggurat
281746 | Zig:15   | Identified the +9 sling "Lify" {heavy, rF+ rN+ Int+3 Dex+3}
281758 | Zig:16   | Entered Level 16 of a ziggurat
281789 | Zig:16   | Identified the amulet "Witineni" {Faith Rampage Will- Str+2
                  | Dex+2}
281797 | Zig:17   | Entered Level 17 of a ziggurat
281831 | Zig:17   | Noticed Mizukkoh the pandemonium lord
281837 | Zig:17   | Killed Mizukkoh the pandemonium lord
281988 | Zig:17   | Identified the ring of Ipuryh {rC- rCorr MP+9 Str+3}
282004 | Zig:17   | Identified the ring of Sotrife {rF+ rCorr Str+3}
282006 | Zig:17   | Identified the +0 short sword of Strategic Superiority
                  | {venom, Will- rCorr Int+7}
282010 | Zig:17   | Identified the ring "Kaum" {rPois rN+ Str+6 Int-5 Dex+3}
282016 | Zig:17   | Identified the +1 robe "Cideaps" {Harm *Corrode +Blink
                  | Dex+3}
282026 | Zig:17   | Identified the +2 quarterstaff "Imexam" {spect, Int+3}
282031 | Zig:17   | Identified the staff of Death's Door {rPois Int+3 Dex-4
                  | Conj Tloc}
282041 | Zig:17   | Identified the ring of Impatience {rC+ Dex+3}
282054 | Zig:17   | Identified the ring "Kicwie" {Will+ Str+6 Int+2}
282092 | Zig:17   | Identified the +6 chain mail of Ucoges {*Slow Dex+5}
282114 | Zig:17   | Identified the staff of Fimbulwinter {rF+ rCorr Fire}
282571 | Zig:18   | Entered Level 18 of a ziggurat
282572 | Zig:18   | Noticed Camaatt the pandemonium lord
282573 | Zig:18   | Noticed Xuul the pandemonium lord
282573 | Zig:18   | Noticed Roegoh the pandemonium lord
282573 | Zig:18   | Noticed Daikei the pandemonium lord
282573 | Zig:18   | Noticed Wotzoss the pandemonium lord
282573 | Zig:18   | Noticed Muf Gun the pandemonium lord
282573 | Zig:18   | Noticed Ycanuk the pandemonium lord
282573 | Zig:18   | Noticed Arefim the pandemonium lord
282573 | Zig:18   | Noticed Heiqym the pandemonium lord
282574 | Zig:18   | Noticed Cuebesm the pandemonium lord
282575 | Zig:18   | Noticed Vafy the pandemonium lord
282576 | Zig:18   | Killed Camaatt the pandemonium lord
282576 | Zig:18   | Killed Wotzoss the pandemonium lord
282577 | Zig:18   | Noticed Xeexku the pandemonium lord
282577 | Zig:18   | Killed Heiqym the pandemonium lord
282577 | Zig:18   | Killed Roegoh the pandemonium lord
282577 | Zig:18   | Killed Daikei the pandemonium lord
282577 | Zig:18   | Noticed Ridoir the pandemonium lord
282578 | Zig:18   | Noticed Asez the pandemonium lord
282578 | Zig:18   | Noticed Sociotas the pandemonium lord
282578 | Zig:18   | Noticed Kyocuiggeryd the pandemonium lord
282578 | Zig:18   | Noticed Ypodiemm the pandemonium lord
282578 | Zig:18   | Noticed Qotux the pandemonium lord
282578 | Zig:18   | Noticed Uweuros the pandemonium lord
282579 | Zig:18   | Noticed Usiagig the pandemonium lord
282579 | Zig:18   | Killed Sociotas the pandemonium lord
282579 | Zig:18   | Killed Ypodiemm the pandemonium lord
282579 | Zig:18   | Killed Xuul the pandemonium lord
282579 | Zig:18   | Killed Muf Gun the pandemonium lord
282579 | Zig:18   | Noticed Laskump the pandemonium lord
282579 | Zig:18   | Noticed Ficuih the pandemonium lord
282580 | Zig:18   | Killed Kyocuiggeryd the pandemonium lord
282580 | Zig:18   | Killed Cuebesm the pandemonium lord
282580 | Zig:18   | Noticed Qeplutag the pandemonium lord
282580 | Zig:18   | Noticed Xoni the pandemonium lord
282580 | Zig:18   | Noticed Ruruimaq the pandemonium lord
282581 | Zig:18   | Noticed Tuqiluc the pandemonium lord
282581 | Zig:18   | Killed Arefim the pandemonium lord
282581 | Zig:18   | Killed Qotux the pandemonium lord
282581 | Zig:18   | Noticed Fimiuv the pandemonium lord
282582 | Zig:18   | Noticed Cadikhlou the pandemonium lord
282582 | Zig:18   | Noticed Hualuus the pandemonium lord
282582 | Zig:18   | Noticed Wirueler the pandemonium lord
282582 | Zig:18   | Noticed Asonun the pandemonium lord
282582 | Zig:18   | Noticed Zuagg the pandemonium lord
282582 | Zig:18   | Noticed Kuluffyuse the pandemonium lord
282582 | Zig:18   | Noticed Pibueps the pandemonium lord
282582 | Zig:18   | Killed Ycanuk the pandemonium lord
282583 | Zig:18   | Noticed Cosso the pandemonium lord
282583 | Zig:18   | Killed Uweuros the pandemonium lord
282583 | Zig:18   | Killed Cadikhlou the pandemonium lord
282583 | Zig:18   | Killed Asez the pandemonium lord
282584 | Zig:18   | Noticed Abedah the pandemonium lord
282585 | Zig:18   | Noticed Iwiawk the pandemonium lord
282585 | Zig:18   | Killed Usiagig the pandemonium lord
282585 | Zig:18   | Killed Xeexku the pandemonium lord
282585 | Zig:18   | Killed Wirueler the pandemonium lord
282585 | Zig:18   | Killed Vafy the pandemonium lord
282585 | Zig:18   | Killed Fimiuv the pandemonium lord
282585 | Zig:18   | Noticed Jam Noick the pandemonium lord
282585 | Zig:18   | Noticed Vulat the pandemonium lord
282585 | Zig:18   | Noticed Qoruxan the pandemonium lord
282586 | Zig:18   | Killed Ridoir the pandemonium lord
282586 | Zig:18   | Killed Kuluffyuse the pandemonium lord
282586 | Zig:18   | Killed Vulat the pandemonium lord
282586 | Zig:18   | Killed Abedah the pandemonium lord
282586 | Zig:18   | Killed Cosso the pandemonium lord
282586 | Zig:18   | Noticed Biboag the pandemonium lord
282586 | Zig:18   | Killed Tuqiluc the pandemonium lord
282586 | Zig:18   | Noticed Caruj the pandemonium lord
282586 | Zig:18   | Noticed Cetoisue the pandemonium lord
282586 | Zig:18   | Noticed Utiequr the pandemonium lord
282586 | Zig:18   | Noticed Rehedyas the pandemonium lord
282587 | Zig:18   | Noticed Sedocs the pandemonium lord
282587 | Zig:18   | Noticed Duwabb the pandemonium lord
282587 | Zig:18   | Killed Ficuih the pandemonium lord
282587 | Zig:18   | Killed Qeplutag the pandemonium lord
282587 | Zig:18   | Killed Jam Noick the pandemonium lord
282587 | Zig:18   | Killed Xoni the pandemonium lord
282587 | Zig:18   | Noticed Pufum the pandemonium lord
282587 | Zig:18   | Noticed Jivedebb the pandemonium lord
282587 | Zig:18   | Noticed Xuraut the pandemonium lord
282588 | Zig:18   | Killed Laskump the pandemonium lord
282588 | Zig:18   | Killed Duwabb the pandemonium lord
282588 | Zig:18   | Killed Cetoisue the pandemonium lord
282588 | Zig:18   | Killed Biboag the pandemonium lord
282588 | Zig:18   | Killed Utiequr the pandemonium lord
282588 | Zig:18   | Killed Xuraut the pandemonium lord
282588 | Zig:18   | Noticed Meic the pandemonium lord
282588 | Zig:18   | Noticed Niupn the pandemonium lord
282589 | Zig:18   | Killed Asonun the pandemonium lord
282589 | Zig:18   | Killed Sedocs the pandemonium lord
282589 | Zig:18   | Noticed Suunoizi the pandemonium lord
282589 | Zig:18   | Noticed Puubbym the pandemonium lord
282589 | Zig:18   | Noticed Doufim the pandemonium lord
282590 | Zig:18   | Noticed Kummocwu the pandemonium lord
282590 | Zig:18   | Noticed Giulepakh the pandemonium lord
282591 | Zig:18   | Killed Hualuus the pandemonium lord
282591 | Zig:18   | Killed Jivedebb the pandemonium lord
282591 | Zig:18   | Killed Kummocwu the pandemonium lord
282591 | Zig:18   | Killed Meic the pandemonium lord
282591 | Zig:18   | Noticed Guon the pandemonium lord
282591 | Zig:18   | Noticed Qogaz the pandemonium lord
282591 | Zig:18   | Noticed Xahigupt the pandemonium lord
282592 | Zig:18   | Killed Qoruxan the pandemonium lord
282592 | Zig:18   | Killed Iwiawk the pandemonium lord
282592 | Zig:18   | Noticed Puffeuss the pandemonium lord
282592 | Zig:18   | Noticed Reveklo the pandemonium lord
282592 | Zig:18   | Noticed Pytil the pandemonium lord
282593 | Zig:18   | Killed Caruj the pandemonium lord
282593 | Zig:18   | Killed Rehedyas the pandemonium lord
282593 | Zig:18   | Killed Guon the pandemonium lord
282593 | Zig:18   | Noticed Jokulodeyng the pandemonium lord
282593 | Zig:18   | Noticed Cisa Vof the pandemonium lord
282594 | Zig:18   | Noticed Issoushi the pandemonium lord
282594 | Zig:18   | Noticed Jukkeuri the pandemonium lord
282594 | Zig:18   | Noticed Ofen the pandemonium lord
282595 | Zig:18   | Killed Suunoizi the pandemonium lord
282595 | Zig:18   | Noticed Jerux the pandemonium lord
282596 | Zig:18   | Noticed Koik the pandemonium lord
282596 | Zig:18   | Killed Jukkeuri the pandemonium lord
282596 | Zig:18   | Noticed Ryetuklibo the pandemonium lord
282596 | Zig:18   | Noticed Mefiadou the pandemonium lord
282596 | Zig:18   | Noticed Tucs the pandemonium lord
282597 | Zig:18   | Killed Giulepakh the pandemonium lord
282597 | Zig:18   | Noticed Areint the pandemonium lord
282597 | Zig:18   | Noticed Inwu the pandemonium lord
282597 | Zig:18   | Noticed Sucsyod the pandemonium lord
282598 | Zig:18   | Noticed Kelak the pandemonium lord
282598 | Zig:18   | Noticed Baecs the pandemonium lord
282598 | Zig:18   | Noticed Seonuido the pandemonium lord
282599 | Zig:18   | Killed Mefiadou the pandemonium lord
282599 | Zig:18   | Killed Issoushi the pandemonium lord
282599 | Zig:18   | Killed Xahigupt the pandemonium lord
282599 | Zig:18   | Noticed Suliargh the pandemonium lord
282600 | Zig:18   | Noticed Guighus the pandemonium lord
282600 | Zig:18   | Noticed Kodokaco the pandemonium lord
282600 | Zig:18   | Noticed Nonuq the pandemonium lord
282600 | Zig:18   | Killed Ruruimaq the pandemonium lord
282600 | Zig:18   | Killed Pufum the pandemonium lord
282600 | Zig:18   | Killed Ofen the pandemonium lord
282600 | Zig:18   | Killed Qogaz the pandemonium lord
282600 | Zig:18   | Killed Doufim the pandemonium lord
282600 | Zig:18   | Killed Zuagg the pandemonium lord
282600 | Zig:18   | Killed Niupn the pandemonium lord
282600 | Zig:18   | Killed Jerux the pandemonium lord
282600 | Zig:18   | Killed Puffeuss the pandemonium lord
282600 | Zig:18   | Killed Guighus the pandemonium lord
282600 | Zig:18   | Noticed Nuixku the pandemonium lord
282600 | Zig:18   | Noticed Qudghy the pandemonium lord
282600 | Zig:18   | Killed Reveklo the pandemonium lord
282600 | Zig:18   | Noticed Fibb the pandemonium lord
282600 | Zig:18   | Noticed Puanlew the pandemonium lord
282600 | Zig:18   | Noticed Ironn the pandemonium lord
282601 | Zig:18   | Killed Kelak the pandemonium lord
282601 | Zig:18   | Noticed Atareuj the pandemonium lord
282602 | Zig:18   | Killed Nonuq the pandemonium lord
282602 | Zig:18   | Killed Ryetuklibo the pandemonium lord
282602 | Zig:18   | Killed Kodokaco the pandemonium lord
282602 | Zig:18   | Noticed Aciuker the pandemonium lord
282602 | Zig:18   | Noticed Nefiq the pandemonium lord
282602 | Zig:18   | Noticed Puvvoo the pandemonium lord
282603 | Zig:18   | Killed Pytil the pandemonium lord
282603 | Zig:18   | Killed Seonuido the pandemonium lord
282603 | Zig:18   | Killed Areint the pandemonium lord
282603 | Zig:18   | Killed Sucsyod the pandemonium lord
282603 | Zig:18   | Noticed Sonwuymn the pandemonium lord
282603 | Zig:18   | Noticed Daysch the pandemonium lord
282603 | Zig:18   | Noticed Wyvu the pandemonium lord
282604 | Zig:18   | Noticed Fiamoik the pandemonium lord
282604 | Zig:18   | Killed Koik the pandemonium lord
282604 | Zig:18   | Killed Pibueps the pandemonium lord
282604 | Zig:18   | Killed Puubbym the pandemonium lord
282604 | Zig:18   | Killed Inwu the pandemonium lord
282604 | Zig:18   | Killed Suliargh the pandemonium lord
282605 | Zig:18   | Killed Fiamoik the pandemonium lord
282605 | Zig:18   | Killed Fibb the pandemonium lord
282605 | Zig:18   | Killed Ironn the pandemonium lord
282605 | Zig:18   | Killed Atareuj the pandemonium lord
282605 | Zig:18   | Killed Puanlew the pandemonium lord
282605 | Zig:18   | Killed Baecs the pandemonium lord
282605 | Zig:18   | Killed Puvvoo the pandemonium lord
282605 | Zig:18   | Noticed Gocux the pandemonium lord
282605 | Zig:18   | Noticed Roczoj the pandemonium lord
282605 | Zig:18   | Noticed Vyhuuhich the pandemonium lord
282606 | Zig:18   | Noticed Eneont the pandemonium lord
282606 | Zig:18   | Noticed Vuegumua the pandemonium lord
282606 | Zig:18   | Noticed Siocs the pandemonium lord
282606 | Zig:18   | Noticed Jaquv the pandemonium lord
282606 | Zig:18   | Killed Liugo the pandemonium lord
282606 | Zig:18   | Noticed Qubb the pandemonium lord
282607 | Zig:18   | Killed Tucs the pandemonium lord
282607 | Zig:18   | Killed Aciuker the pandemonium lord
282607 | Zig:18   | Killed Cisa Vof the pandemonium lord
282607 | Zig:18   | Noticed Tonob the pandemonium lord
282607 | Zig:18   | Noticed Begysot the pandemonium lord
282607 | Zig:18   | Noticed Vusupnorgh the pandemonium lord
282607 | Zig:18   | Noticed Pimem the pandemonium lord
282608 | Zig:18   | Killed Qudghy the pandemonium lord
282608 | Zig:18   | Killed Nefiq the pandemonium lord
282608 | Zig:18   | Killed Siocs the pandemonium lord
282608 | Zig:18   | Noticed Vereolebb the pandemonium lord
282608 | Zig:18   | Noticed Uteah the pandemonium lord
282609 | Zig:18   | Killed Sonwuymn the pandemonium lord
282609 | Zig:18   | Killed Tonob the pandemonium lord
282609 | Zig:18   | Killed Pimem the pandemonium lord
282609 | Zig:18   | Noticed Yguafyupp the pandemonium lord
282609 | Zig:18   | Noticed Vooduatai the pandemonium lord
282609 | Zig:18   | Noticed Vifraj the pandemonium lord
282610 | Zig:18   | Killed Jokulodeyng the pandemonium lord
282610 | Zig:18   | Killed Eneont the pandemonium lord
282610 | Zig:18   | Killed Gocux the pandemonium lord
282610 | Zig:18   | Killed Qubb the pandemonium lord
282610 | Zig:18   | Noticed Optuvu the pandemonium lord
282610 | Zig:18   | Noticed Xicuul the pandemonium lord
282611 | Zig:18   | Noticed Ceampy Moki the pandemonium lord
282611 | Zig:18   | Noticed Wukye the pandemonium lord
282612 | Zig:18   | Noticed Saleow the pandemonium lord
282612 | Zig:18   | Killed Vyhuuhich the pandemonium lord
282612 | Zig:18   | Killed Vusupnorgh the pandemonium lord
282612 | Zig:18   | Noticed Penarabb the pandemonium lord
282613 | Zig:18   | Killed Wyvu the pandemonium lord
282613 | Zig:18   | Killed Xicuul the pandemonium lord
282613 | Zig:18   | Killed Wukye the pandemonium lord
282613 | Zig:18   | Killed Roczoj the pandemonium lord
282613 | Zig:18   | Noticed Askupyf the pandemonium lord
282614 | Zig:18   | Killed Jaquv the pandemonium lord
282614 | Zig:18   | Killed Yguafyupp the pandemonium lord
282614 | Zig:18   | Killed Vuegumua the pandemonium lord
282614 | Zig:18   | Killed Ceampy Moki the pandemonium lord
282614 | Zig:18   | Noticed Furil the pandemonium lord
282614 | Zig:18   | Noticed Bualogiv the pandemonium lord
282615 | Zig:18   | Killed Begysot the pandemonium lord
282615 | Zig:18   | Killed Vooduatai the pandemonium lord
282615 | Zig:18   | Killed Vifraj the pandemonium lord
282615 | Zig:18   | Killed Daysch the pandemonium lord
282616 | Zig:18   | Noticed Ywkekh the pandemonium lord
282616 | Zig:18   | Noticed Zechinas the pandemonium lord
282616 | Zig:18   | Noticed Hiyxoghikh the pandemonium lord
282617 | Zig:18   | Killed Optuvu the pandemonium lord
282617 | Zig:18   | Noticed Cuatrol the pandemonium lord
282617 | Zig:18   | Killed Saleow the pandemonium lord
282617 | Zig:18   | Noticed Qeseotoi the pandemonium lord
282617 | Zig:18   | Noticed Igucynu the pandemonium lord
282618 | Zig:18   | Noticed Bomucwet the pandemonium lord
282618 | Zig:18   | Noticed Vestrune the pandemonium lord
282618 | Zig:18   | Noticed Sutsiu Cofu the pandemonium lord
282618 | Zig:18   | Noticed Nawilet the pandemonium lord
282618 | Zig:18   | Noticed Qouj the pandemonium lord
282618 | Zig:18   | Noticed Nyrati the pandemonium lord
282618 | Zig:18   | Noticed Jirhived the pandemonium lord
282619 | Zig:18   | Killed Furil the pandemonium lord
282619 | Zig:18   | Killed Bualogiv the pandemonium lord
282619 | Zig:18   | Killed Askupyf the pandemonium lord
282619 | Zig:18   | Noticed Xysiat the pandemonium lord
282619 | Zig:18   | Noticed Vicac the pandemonium lord
282620 | Zig:18   | Killed Vereolebb the pandemonium lord
282620 | Zig:18   | Killed Qeseotoi the pandemonium lord
282620 | Zig:18   | Killed Zechinas the pandemonium lord
282620 | Zig:18   | Killed Hiyxoghikh the pandemonium lord
282620 | Zig:18   | Noticed Vezxairoc the pandemonium lord
282621 | Zig:18   | Noticed Daghaq the pandemonium lord
282621 | Zig:18   | Noticed Sophegomn the pandemonium lord
282622 | Zig:18   | Noticed Loemn the pandemonium lord
282623 | Zig:18   | Killed Vestrune the pandemonium lord
282623 | Zig:18   | Killed Ywkekh the pandemonium lord
282623 | Zig:18   | Killed Xysiat the pandemonium lord
282624 | Zig:18   | Noticed Bosmamp the pandemonium lord
282624 | Zig:18   | Noticed Otiur the pandemonium lord
282625 | Zig:18   | Killed Jirhived the pandemonium lord
282625 | Zig:18   | Killed Nawilet the pandemonium lord
282625 | Zig:18   | Killed Cuatrol the pandemonium lord
282625 | Zig:18   | Killed Penarabb the pandemonium lord
282625 | Zig:18   | Noticed Doejic the pandemonium lord
282625 | Zig:18   | Noticed Isufuc the pandemonium lord
282626 | Zig:18   | Killed Nuixku the pandemonium lord
282626 | Zig:18   | Killed Sutsiu Cofu the pandemonium lord
282626 | Zig:18   | Noticed Vowowin the pandemonium lord
282627 | Zig:18   | Noticed Quxtore the pandemonium lord
282627 | Zig:18   | Noticed Syxeett the pandemonium lord
282627 | Zig:18   | Noticed Nuthrane the pandemonium lord
282627 | Zig:18   | Noticed Kigg the pandemonium lord
282627 | Zig:18   | Noticed Peusety the pandemonium lord
282627 | Zig:18   | Noticed Wiwk the pandemonium lord
282627 | Zig:18   | Noticed Jibe the pandemonium lord
282627 | Zig:18   | Noticed Latav the pandemonium lord
282628 | Zig:18   | Killed Daghaq the pandemonium lord
282628 | Zig:18   | Killed Loemn the pandemonium lord
282628 | Zig:18   | Killed Isufuc the pandemonium lord
282628 | Zig:18   | Killed Doejic the pandemonium lord
282628 | Zig:18   | Killed Otiur the pandemonium lord
282628 | Zig:18   | Noticed Difaeno the pandemonium lord
282629 | Zig:18   | Killed Vicac the pandemonium lord
282629 | Zig:18   | Killed Bomucwet the pandemonium lord
282629 | Zig:18   | Killed Igucynu the pandemonium lord
282629 | Zig:18   | Killed Nyrati the pandemonium lord
282629 | Zig:18   | Killed Vezxairoc the pandemonium lord
282629 | Zig:18   | Noticed Plog the pandemonium lord
282629 | Zig:18   | Noticed Luse Eci the pandemonium lord
282630 | Zig:18   | Noticed Oxokkux the pandemonium lord
282630 | Zig:18   | Noticed Plog the pandemonium lord
282630 | Zig:18   | Noticed Ucheago the pandemonium lord
282633 | Zig:18   | Killed Qouj the pandemonium lord
282633 | Zig:18   | Killed Peusety the pandemonium lord
282633 | Zig:18   | Killed Uteah the pandemonium lord
282633 | Zig:18   | Killed Bosmamp the pandemonium lord
282635 | Zig:18   | Killed Nuthrane the pandemonium lord
282635 | Zig:18   | Killed Kigg the pandemonium lord
282635 | Zig:18   | Killed Quxtore the pandemonium lord
282635 | Zig:18   | Killed Sophegomn the pandemonium lord
282635 | Zig:18   | Killed Jibe the pandemonium lord
282639 | Zig:18   | Killed Vowowin the pandemonium lord
282640 | Zig:18   | Killed Syxeett the pandemonium lord
282644 | Zig:18   | Noticed Laqenumya the pandemonium lord
282644 | Zig:18   | Noticed Kuozov the pandemonium lord
282646 | Zig:18   | Killed Oxokkux the pandemonium lord
282648 | Zig:18   | Killed Plog the pandemonium lord
282648 | Zig:18   | Killed Latav the pandemonium lord
282648 | Zig:18   | Killed Laqenumya the pandemonium lord
282648 | Zig:18   | Killed Difaeno the pandemonium lord
282648 | Zig:18   | Killed Plog the pandemonium lord
282648 | Zig:18   | Noticed Zeqocuff the pandemonium lord
282648 | Zig:18   | Noticed Jafrore the pandemonium lord
282648 | Zig:18   | Noticed Xoesk the pandemonium lord
282650 | Zig:18   | Noticed Wanuxzadu the pandemonium lord
282650 | Zig:18   | Killed Luse Eci the pandemonium lord
282650 | Zig:18   | Killed Ucheago the pandemonium lord
282650 | Zig:18   | Killed Wiwk the pandemonium lord
282651 | Zig:18   | Noticed Ylag the pandemonium lord
282652 | Zig:18   | Killed Wanuxzadu the pandemonium lord
282652 | Zig:18   | Killed Kuozov the pandemonium lord
282653 | Zig:18   | Noticed Jamelodgh the pandemonium lord
282653 | Zig:18   | Killed Jafrore the pandemonium lord
282654 | Zig:18   | Noticed Evohor the pandemonium lord
282656 | Zig:18   | Killed Zeqocuff the pandemonium lord
282656 | Zig:18   | Killed Ylag the pandemonium lord
282657 | Zig:18   | Noticed Powozung the pandemonium lord
282660 | Zig:18   | Killed Powozung the pandemonium lord
282660 | Zig:18   | Killed Jamelodgh the pandemonium lord
282662 | Zig:18   | Noticed Cyoras the pandemonium lord
282664 | Zig:18   | Killed Evohor the pandemonium lord
282667 | Zig:18   | Killed Cyoras the pandemonium lord
282675 | Zig:18   | Killed Xoesk the pandemonium lord
283167 | Zig:18   | Identified the +5 ring mail of the Loving Gods {Str+5
                  | Dex-5}
283168 | Zig:18   | Identified the ring "Wiopheth" {Wiz rC+}
283173 | Zig:18   | Identified the ring of the Filigreed God {rF++ rC+ Will+++
                  | Str-3 Stlth-}
283175 | Zig:18   | Identified the +6 trident of the Twisting Jester {flame,
                  | rElec rN+}
283187 | Zig:18   | Identified the +1 morningstar of the Holding Gods {protect,
                  | *Noise rC+ Int+3}
283218 | Zig:18   | Identified the +11 mace of the Screaming Queen {freeze,
                  | ^Fragile rElec Str+3}
283231 | Zig:18   | Identified the +1 pair of gloves "Numofo" {rPois}
283233 | Zig:18   | Identified the +9 scimitar "Sesmisu" {venom, Will+ Stlth+}
283234 | Zig:18   | Identified the +2 morningstar of Jufan {flame, +Blink Str-3
                  | Int+2 Dex+3}
283240 | Zig:18   | Identified the +9 great mace of Valour {flame, Int+5}
283348 | Zig:19   | Entered Level 19 of a ziggurat
283396 | Zig:20   | Entered Level 20 of a ziggurat
283401 | Zig:20   | Noticed an ancient lich
283402 | Zig:20   | Noticed an ancient lich
283402 | Zig:20   | Noticed an ancient lich
283402 | Zig:20   | Noticed a dread lich
283402 | Zig:20   | Noticed an ancient lich
283403 | Zig:20   | Killed an ancient lich
283404 | Zig:20   | Noticed an ancient lich
283404 | Zig:20   | Noticed an ancient lich
283405 | Zig:20   | Noticed an ancient lich
283405 | Zig:20   | Noticed an ancient lich
283405 | Zig:20   | Noticed an ancient lich
283406 | Zig:20   | Noticed an ancient lich
283406 | Zig:20   | Killed an ancient lich
283406 | Zig:20   | Killed an ancient lich
283406 | Zig:20   | Killed a dread lich
283406 | Zig:20   | Killed an ancient lich
283406 | Zig:20   | Killed an ancient lich
283407 | Zig:20   | Noticed a dread lich
283407 | Zig:20   | Noticed an ancient lich
283407 | Zig:20   | Noticed a dread lich
283407 | Zig:20   | Noticed an ancient lich
283408 | Zig:20   | Noticed a dread lich
283408 | Zig:20   | Noticed a dread lich
283408 | Zig:20   | Noticed a dread lich
283408 | Zig:20   | Noticed a dread lich
283408 | Zig:20   | Noticed a dread lich
283409 | Zig:20   | Killed an ancient lich
283409 | Zig:20   | Killed a dread lich
283409 | Zig:20   | Killed a dread lich
283409 | Zig:20   | Killed an ancient lich
283409 | Zig:20   | Killed an ancient lich
283409 | Zig:20   | Killed an ancient lich
283409 | Zig:20   | Killed an ancient lich
283409 | Zig:20   | Killed an ancient lich
283410 | Zig:20   | Noticed an ancient lich
283410 | Zig:20   | Noticed a dread lich
283410 | Zig:20   | Noticed a dread lich
283410 | Zig:20   | Noticed an ancient lich
283410 | Zig:20   | Noticed a dread lich
283410 | Zig:20   | Noticed a dread lich
283411 | Zig:20   | Noticed a dread lich
283411 | Zig:20   | Noticed a dread lich
283411 | Zig:20   | Noticed a dread lich
283411 | Zig:20   | Noticed an ancient lich
283411 | Zig:20   | Noticed a dread lich
283412 | Zig:20   | Noticed an ancient lich
283412 | Zig:20   | Killed an ancient lich
283412 | Zig:20   | Killed a dread lich
283412 | Zig:20   | Killed a dread lich
283412 | Zig:20   | Killed an ancient lich
283412 | Zig:20   | Killed a dread lich
283412 | Zig:20   | Killed a dread lich
283412 | Zig:20   | Killed a dread lich
283412 | Zig:20   | Killed a dread lich
283412 | Zig:20   | Killed a dread lich
283412 | Zig:20   | Killed a dread lich
283412 | Zig:20   | Killed an ancient lich
283412 | Zig:20   | Killed a dread lich
283413 | Zig:20   | Noticed a dread lich
283413 | Zig:20   | Noticed a dread lich
283413 | Zig:20   | Killed a dread lich
283414 | Zig:20   | Noticed an ancient lich
283414 | Zig:20   | Noticed a dread lich
283414 | Zig:20   | Noticed an ancient lich
283415 | Zig:20   | Noticed an ancient lich
283415 | Zig:20   | Killed an ancient lich
283415 | Zig:20   | Killed a dread lich
283415 | Zig:20   | Killed a dread lich
283415 | Zig:20   | Killed a dread lich
283415 | Zig:20   | Killed an ancient lich
283415 | Zig:20   | Killed a dread lich
283416 | Zig:20   | Noticed an ancient lich
283416 | Zig:20   | Noticed an ancient lich
283416 | Zig:20   | Noticed an ancient lich
283416 | Zig:20   | Noticed an ancient lich
283417 | Zig:20   | Noticed a dread lich
283417 | Zig:20   | Noticed an ancient lich
283417 | Zig:20   | Noticed an ancient lich
283417 | Zig:20   | Killed an ancient lich
283417 | Zig:20   | Noticed a dread lich
283417 | Zig:20   | Noticed a dread lich
283417 | Zig:20   | Noticed an ancient lich
283418 | Zig:20   | Noticed an ancient lich
283418 | Zig:20   | Killed an ancient lich
283418 | Zig:20   | Killed an ancient lich
283418 | Zig:20   | Killed an ancient lich
283418 | Zig:20   | Killed a dread lich
283418 | Zig:20   | Killed a dread lich
283418 | Zig:20   | Killed an ancient lich
283418 | Zig:20   | Killed a dread lich
283418 | Zig:20   | Killed an ancient lich
283418 | Zig:20   | Killed an ancient lich
283419 | Zig:20   | Noticed a dread lich
283420 | Zig:20   | Noticed a dread lich
283420 | Zig:20   | Noticed an ancient lich
283420 | Zig:20   | Noticed an ancient lich
283420 | Zig:20   | Killed an ancient lich
283420 | Zig:20   | Noticed a dread lich
283420 | Zig:20   | Killed an ancient lich
283420 | Zig:20   | Killed an ancient lich
283421 | Zig:20   | Killed a dread lich
283421 | Zig:20   | Killed an ancient lich
283421 | Zig:20   | Killed a dread lich
283421 | Zig:20   | Killed an ancient lich
283421 | Zig:20   | Killed a dread lich
283422 | Zig:20   | Noticed an ancient lich
283422 | Zig:20   | Noticed an ancient lich
283424 | Zig:20   | Killed a dread lich
283424 | Zig:20   | Killed an ancient lich
283426 | Zig:20   | Killed an ancient lich
283427 | Zig:20   | Killed a dread lich
283428 | Zig:20   | Noticed an ancient lich
283428 | Zig:20   | Killed an ancient lich
283428 | Zig:20   | Noticed a dread lich
283431 | Zig:20   | Noticed an ancient lich
283438 | Zig:20   | Killed an ancient lich
283440 | Zig:20   | Noticed an ancient lich
283440 | Zig:20   | Noticed a dread lich
283441 | Zig:20   | Noticed a dread lich
283442 | Zig:20   | Noticed a dread lich
283443 | Zig:20   | Killed a dread lich
283443 | Zig:20   | Killed an ancient lich
283443 | Zig:20   | Killed a dread lich
283444 | Zig:20   | Killed a dread lich
283445 | Zig:20   | Killed a dread lich
283450 | Zig:20   | Noticed a dread lich
283454 | Zig:20   | Killed an ancient lich
283455 | Zig:20   | Killed a dread lich
283830 | Zig:20   | Identified the +8 quarterstaff "Weont" {protect, rPois
                  | Str+8 Dex-5 Stlth+}
283836 | Zig:20   | Identified the +1 cloak of Kimnem {rPois Int+9}
283890 | Zig:20   | Identified the +4 plate armour of the Bull {Will++ Str+2}
283926 | Zig:20   | Identified the +3 leather armour of Forking Paths {+Inv rC+
                  | Str+4}
283934 | Zig:20   | Identified the +12 short sword "Iste" {speed, Str-3 Dex+5}
283951 | Zig:20   | Identified the +0 scale mail "Bidooj" {Rampage +Blink
                  | Int+3}
283975 | Zig:20   | Identified the staff of Fimbulwinter {rElec rC+ Dex+3 Air}
283982 | Zig:20   | Identified the +4 war axe "Mud Pie of Death" {spect, ^Drain
                  | rC+ rCorr}
283988 | Zig:20   | Identified the +3 orcbow of the Beginning {freeze, rC+}
283990 | Zig:20   | Identified the staff of Big Damage {rF+ rC+ rN+ Necro}
283991 | Zig:20   | Identified the +2 scimitar "Digraroe" {freeze, *Noise Fly
                  | rC+}
284146 | Zig:21   | Entered Level 21 of a ziggurat
284154 | Zig:21   | Noticed a dread lich
284155 | Zig:21   | Killed a dread lich
284179 | Zig:21   | Noticed a dread lich
284181 | Zig:21   | Killed a dread lich
284200 | Zig:21   | Noticed a dread lich
284201 | Zig:21   | Noticed a dread lich
284202 | Zig:21   | Killed a dread lich
284204 | Zig:21   | Killed a dread lich
284330 | Zig:21   | Identified the +7 battleaxe of Subjectivity {heavy, Str+3}
284335 | Zig:21   | Identified the ring "Tedut" {Wiz rElec Str-3 Dex+3}
284345 | Zig:21   | Identified the +12 scimitar "Hagempau" {speed, Int+4}
284347 | Zig:21   | Identified the +2 ring mail of Indomitability {*Slow rN+
                  | Slay+4}
284348 | Zig:21   | Identified the ring of Sasune {Wiz rC+ Dex+2}
284802 | Zig:22   | Entered Level 22 of a ziggurat
284849 | Zig:22   | Identified the staff of Sif Muna's Castigation {rElec rPois
                  | Will++ Str+2 Alchemy}
284852 | Zig:22   | Identified the +4 plate armour of the Cicada {*Slow rElec
                  | Dex+3}
285523 | Zig:22   | Identified the granite talisman "Oprodios" {rC+ Int+3 Dex+2
                  | Stlth-}
285545 | Zig:22   | Identified the amulet of Aczuun {Faith rF+ rN+ Int-5 Dex+2}
285578 | Zig:22   | Identified the staff of the Boiling Point {rC+ Earth}
285594 | Zig:22   | Identified the ring "Vyufer" {rC+ Str+5}
285644 | Zig:22   | Identified the +7 flail "Nosim" {drain, Int+2}
285652 | Zig:22   | Identified the +1 quarterstaff "Femn" {pain, *Rage rF- rC++
                  | rN+ rCorr Stlth+}
285654 | Zig:22   | Identified the ring "Anastane" {Fly rPois Int+2 Slay+4}
285656 | Zig:22   | Identified the +9 flail "Reqow" {spect, rElec Will+ Str+2}
285663 | Zig:22   | Identified the +6 whip "Bobint" {venom, +Blink Str-3
                  | Stlth+}
285670 | Zig:22   | Identified the ring of Ezuozeov {MP-9 Str+6 Dex+5}
285678 | Zig:22   | Identified the +7 rapier of Checks and Balances {pain,
                  | rElec Dex+6}
285683 | Zig:22   | Identified the +0 pair of boots of Huhyuwn {rF+ Int+4
                  | Dex-5}
285685 | Zig:22   | Identified the +7 rapier of Mens Rea {flame, rCorr Str+3
                  | Int-2 Stlth+}
285796 | Zig:23   | Entered Level 23 of a ziggurat
285801 | Zig:23   | Noticed a dread lich
285804 | Zig:23   | Killed a dread lich
285805 | Zig:23   | Noticed an ancient lich
285809 | Zig:23   | Killed an ancient lich
285810 | Zig:23   | Noticed an ancient lich
285815 | Zig:23   | Killed an ancient lich
285825 | Zig:23   | Paralysed by accursed screaming for 2 turns
285858 | Zig:23   | Paralysed by accursed screaming for 2 turns
285946 | Zig:23   | Identified the ring "Deupeyn" {Int+6 Dex+3}
285951 | Zig:23   | Identified the +10 orcbow "Lucheoh" {heavy, rPois rF+
                  | Str-4}
285954 | Zig:23   | Identified the +9 quarterstaff of the Owl {spect, rF- rN+
                  | Will+ Stlth+}
285956 | Zig:23   | Identified the +4 war axe "Oluorphun" {protect, rF+}
285959 | Zig:23   | Identified the ring "Plog" {Fly rC- rN+ Dex+3 Stlth+}
285967 | Zig:23   | Identified the staff "Titahykk" {rCorr Str-5 Dex-3 Necro
                  | Earth}
285975 | Zig:23   | Identified the +8 great mace of the Butterfly {protect,
                  | rF++ Will+}
286028 | Zig:23   | Identified the +0 robe "Otoi" {rElec}
286030 | Zig:23   | Identified the +7 mace of Purpose {protect, Str+3}
286939 | Zig:23   | Identified the +0 scale mail of the Ladybird {Slay+2}
286982 | Zig:24   | Entered Level 24 of a ziggurat
287010 | Zig:24   | Noticed an ancient lich
287012 | Zig:24   | Killed an ancient lich
287016 | Zig:24   | Noticed a dread lich
287022 | Zig:24   | Killed a dread lich
287032 | Zig:24   | Noticed an ancient lich
287034 | Zig:24   | Noticed a dread lich
287036 | Zig:24   | Killed an ancient lich
287039 | Zig:24   | Killed a dread lich
287043 | Zig:24   | Noticed an ancient lich
287049 | Zig:24   | Killed an ancient lich
287657 | Zig:24   | Identified the +0 war axe "Agioselye" {spect, rElec}
287660 | Zig:24   | Identified the +3 orcbow "Isyuhaots" {freeze, rF+ Int+2
                  | Dex-4}
287664 | Zig:24   | Identified the +1 shortbow "Fanitin" {flame, rC+ Dex-4
                  | Stlth+}
287807 | Zig:24   | Identified the +2 helmet "Tirghudo" {Regen+}
287808 | Zig:24   | Identified the +0 chain mail "Yghushraph" {rPois Will+}
287821 | Zig:24   | Identified the +6 flail of Fortitude {venom, rCorr}
287824 | Zig:24   | Identified the +5 rapier of Vanity {protect, Int+4}
287838 | Zig:24   | Identified the +1 shortbow of Zoidom {freeze, Str+3 SInv
                  | Stlth-}
287842 | Zig:24   | Identified the staff of Xausemed {rPois Str-2 Dex+2 Earth}
287843 | Zig:24   | Identified the +6 chain mail "Ycota" {*Slow rPois Int+2
                  | Dex+3 Slay+3}
287844 | Zig:24   | Identified the amulet "Urolauku" {Reflect Str+3 SH+5}
287893 | Zig:24   | Identified the +3 ring mail of Beogh's Whim {Rampage
                  | Regen+}
287908 | Zig:24   | Identified the ring "Tunoj" {Fly rF+}
288043 | Zig:25   | Entered Level 25 of a ziggurat
288189 | Zig:25   | Identified the +4 hand axe of the Coward {flame, rElec rC-
                  | Int+3 Dex+8}
288199 | Zig:25   | Identified the +3 whip "Kir Tenk" {pain, rF+ rC+}
288217 | Zig:25   | Identified the ring of Ekenwig {rF+ rN++ EV+5}
288220 | Zig:25   | Identified the +1 sling of Joneuxt {drain, ^Fragile Dex+2
                  | SInv}
288244 | Zig:25   | Identified the +0 cloak of the Black Moon {Int+3}
288279 | Zig:25   | Identified the ring "Eletez" {Fly rCorr}
288282 | Zig:25   | Identified the +1 battleaxe of Ylocauwo {drain, rF+ rCorr
                  | Str+3}
288323 | Zig:25   | Identified the +1 scale mail of Trumpets {Rampage rF+
                  | Regen+ Dex+4}
288356 | Zig:25   | Identified the ring "Samoibix" {rC+ Will+ rCorr Str-5 SInv}
288364 | Zig:25   | Identified the +3 chain mail of Neqonu {+Blink rPois rCorr
                  | Int-3}
288376 | Zig:25   | Identified the +7 flail of Untimely Demise {elec, Int+5}
288382 | Zig:25   | Identified the +7 demon trident "Epruar" {freeze, rC+ Str+7
                  | SInv}
288384 | Zig:25   | Identified the staff "Ryelom" {Int+6 Earth}
289043 | Zig:26   | Entered Level 26 of a ziggurat
289077 | Zig:26   | Noticed an ancient lich
289081 | Zig:26   | Killed an ancient lich
289091 | Zig:26   | Noticed a dread lich
289091 | Zig:26   | Paralysed by accursed screaming for 2 turns
289107 | Zig:26   | Killed a dread lich
289134 | Zig:26   | Killed a starcursed mass
290018 | Zig:26   | Identified the ring "Cigiwut" {rF- Will+ MP+9 Dex+3 Stlth+}
290090 | Zig:26   | Identified the +2 leather armour of Ravioli {rC+ Int+3}
290093 | Zig:26   | Identified the ring of the Sun {rN+ Dex+3 SInv}
290101 | Zig:26   | Identified the +10 shortbow of Semutuq {drain, rCorr}
290102 | Zig:26   | Identified the ring of Ruafomm {rPois SInv}
290146 | Zig:26   | Identified the +7 chain mail of Modesty {Int+7 Dex+2
                  | Slay-2}
290148 | Zig:26   | Identified the +1 pair of gloves of Tomorrow {rF- rC++
                  | Will+}
290392 | Zig:27   | Entered Level 27 of a ziggurat
290399 | Zig:27   | Noticed an ancient lich
290401 | Zig:27   | Noticed an ancient lich
290402 | Zig:27   | Noticed a dread lich
290404 | Zig:27   | Noticed a dread lich
290404 | Zig:27   | Killed a dread lich
290405 | Zig:27   | Killed an ancient lich
290405 | Zig:27   | Killed an ancient lich
290405 | Zig:27   | Killed a dread lich
290406 | Zig:27   | Noticed a dread lich
290406 | Zig:27   | Noticed a dread lich
290406 | Zig:27   | Noticed an ancient lich
290406 | Zig:27   | Noticed an ancient lich
290406 | Zig:27   | Noticed a dread lich
290407 | Zig:27   | Noticed an ancient lich
290407 | Zig:27   | Noticed an ancient lich
290407 | Zig:27   | Noticed an ancient lich
290407 | Zig:27   | Noticed a dread lich
290407 | Zig:27   | Noticed an ancient lich
290407 | Zig:27   | Noticed a dread lich
290407 | Zig:27   | Noticed an ancient lich
290408 | Zig:27   | Noticed a dread lich
290408 | Zig:27   | Killed an ancient lich
290408 | Zig:27   | Killed a dread lich
290409 | Zig:27   | Noticed a dread lich
290409 | Zig:27   | Noticed an ancient lich
290409 | Zig:27   | Noticed an ancient lich
290409 | Zig:27   | Noticed a dread lich
290409 | Zig:27   | Noticed a dread lich
290409 | Zig:27   | Noticed a dread lich
290409 | Zig:27   | Noticed a dread lich
290410 | Zig:27   | Noticed an ancient lich
290410 | Zig:27   | Noticed an ancient lich
290410 | Zig:27   | Killed an ancient lich
290410 | Zig:27   | Killed an ancient lich
290410 | Zig:27   | Killed an ancient lich
290410 | Zig:27   | Killed an ancient lich
290410 | Zig:27   | Killed a dread lich
290410 | Zig:27   | Killed a dread lich
290410 | Zig:27   | Killed a dread lich
290410 | Zig:27   | Killed an ancient lich
290410 | Zig:27   | Noticed an ancient lich
290410 | Zig:27   | Noticed a dread lich
290411 | Zig:27   | Noticed a dread lich
290411 | Zig:27   | Noticed a dread lich
290411 | Zig:27   | Noticed an ancient lich
290411 | Zig:27   | Noticed a dread lich
290411 | Zig:27   | Noticed an ancient lich
290411 | Zig:27   | Noticed a dread lich
290411 | Zig:27   | Noticed a dread lich
290412 | Zig:27   | Killed an ancient lich
290412 | Zig:27   | Killed a dread lich
290412 | Zig:27   | Killed a dread lich
290412 | Zig:27   | Killed a dread lich
290412 | Zig:27   | Killed a dread lich
290412 | Zig:27   | Killed an ancient lich
290412 | Zig:27   | Killed an ancient lich
290412 | Zig:27   | Killed a dread lich
290412 | Zig:27   | Killed a dread lich
290412 | Zig:27   | Killed an ancient lich
290412 | Zig:27   | Killed an ancient lich
290412 | Zig:27   | Killed a dread lich
290412 | Zig:27   | Killed a dread lich
290412 | Zig:27   | Killed a dread lich
290412 | Zig:27   | Noticed an ancient lich
290412 | Zig:27   | Noticed an ancient lich
290412 | Zig:27   | Noticed an ancient lich
290412 | Zig:27   | Noticed an ancient lich
290412 | Zig:27   | Noticed an ancient lich
290412 | Zig:27   | Noticed an ancient lich
290412 | Zig:27   | Noticed a dread lich
290412 | Zig:27   | Noticed a dread lich
290413 | Zig:27   | Noticed a dread lich
290413 | Zig:27   | Noticed a dread lich
290413 | Zig:27   | Noticed a dread lich
290414 | Zig:27   | Noticed an ancient lich
290414 | Zig:27   | Noticed an ancient lich
290414 | Zig:27   | Noticed an ancient lich
290414 | Zig:27   | Noticed an ancient lich
290414 | Zig:27   | Noticed a dread lich
290414 | Zig:27   | Noticed an ancient lich
290414 | Zig:27   | Noticed a dread lich
290414 | Zig:27   | Noticed an ancient lich
290415 | Zig:27   | Killed an ancient lich
290415 | Zig:27   | Killed a dread lich
290415 | Zig:27   | Killed a dread lich
290415 | Zig:27   | Killed a dread lich
290415 | Zig:27   | Killed an ancient lich
290415 | Zig:27   | Killed a dread lich
290415 | Zig:27   | Killed an ancient lich
290415 | Zig:27   | Killed a dread lich
290415 | Zig:27   | Killed an ancient lich
290415 | Zig:27   | Killed an ancient lich
290415 | Zig:27   | Killed a dread lich
290415 | Zig:27   | Killed a dread lich
290415 | Zig:27   | Killed a dread lich
290415 | Zig:27   | Killed an ancient lich
290415 | Zig:27   | Killed an ancient lich
290415 | Zig:27   | Killed an ancient lich
290415 | Zig:27   | Noticed a dread lich
290415 | Zig:27   | Noticed a dread lich
290415 | Zig:27   | Noticed an ancient lich
290415 | Zig:27   | Noticed a dread lich
290416 | Zig:27   | Noticed an ancient lich
290416 | Zig:27   | Noticed an ancient lich
290416 | Zig:27   | Noticed a dread lich
290416 | Zig:27   | Noticed a dread lich
290416 | Zig:27   | Noticed a dread lich
290416 | Zig:27   | Noticed a dread lich
290416 | Zig:27   | Noticed an ancient lich
290416 | Zig:27   | Noticed an ancient lich
290417 | Zig:27   | Noticed a dread lich
290417 | Zig:27   | Noticed a dread lich
290417 | Zig:27   | Noticed a dread lich
290417 | Zig:27   | Noticed a dread lich
290417 | Zig:27   | Noticed a dread lich
290417 | Zig:27   | Noticed an ancient lich
290418 | Zig:27   | Killed an ancient lich
290418 | Zig:27   | Killed a dread lich
290418 | Zig:27   | Killed an ancient lich
290418 | Zig:27   | Killed a dread lich
290418 | Zig:27   | Killed an ancient lich
290418 | Zig:27   | Killed a dread lich
290418 | Zig:27   | Killed an ancient lich
290418 | Zig:27   | Killed an ancient lich
290418 | Zig:27   | Killed an ancient lich
290418 | Zig:27   | Killed a dread lich
290418 | Zig:27   | Killed an ancient lich
290418 | Zig:27   | Killed an ancient lich
290418 | Zig:27   | Killed a dread lich
290418 | Zig:27   | Killed a dread lich
290418 | Zig:27   | Killed a dread lich
290418 | Zig:27   | Killed a dread lich
290418 | Zig:27   | Noticed a dread lich
290418 | Zig:27   | Noticed a dread lich
290418 | Zig:27   | Noticed a dread lich
290418 | Zig:27   | Noticed a dread lich
290418 | Zig:27   | Noticed a dread lich
290418 | Zig:27   | Noticed an ancient lich
290418 | Zig:27   | Noticed an ancient lich
290418 | Zig:27   | Noticed a dread lich
290419 | Zig:27   | Noticed an ancient lich
290419 | Zig:27   | Noticed an ancient lich
290419 | Zig:27   | Noticed a dread lich
290419 | Zig:27   | Noticed a dread lich
290419 | Zig:27   | Noticed a dread lich
290419 | Zig:27   | Noticed a dread lich
290419 | Zig:27   | Noticed an ancient lich
290419 | Zig:27   | Noticed an ancient lich
290419 | Zig:27   | Noticed a dread lich
290420 | Zig:27   | Noticed a dread lich
290420 | Zig:27   | Noticed an ancient lich
290420 | Zig:27   | Noticed a dread lich
290420 | Zig:27   | Noticed an ancient lich
290420 | Zig:27   | Noticed an ancient lich
290420 | Zig:27   | Noticed a dread lich
290421 | Zig:27   | Killed a dread lich
290421 | Zig:27   | Killed a dread lich
290421 | Zig:27   | Killed an ancient lich
290421 | Zig:27   | Killed a dread lich
290421 | Zig:27   | Killed an ancient lich
290421 | Zig:27   | Killed a dread lich
290421 | Zig:27   | Killed an ancient lich
290421 | Zig:27   | Killed an ancient lich
290421 | Zig:27   | Killed an ancient lich
290421 | Zig:27   | Killed a dread lich
290421 | Zig:27   | Killed a dread lich
290421 | Zig:27   | Killed a dread lich
290421 | Zig:27   | Killed a dread lich
290421 | Zig:27   | Killed a dread lich
290421 | Zig:27   | Killed an ancient lich
290421 | Zig:27   | Killed a dread lich
290421 | Zig:27   | Killed a dread lich
290421 | Zig:27   | Killed an ancient lich
290421 | Zig:27   | Killed an ancient lich
290421 | Zig:27   | Killed a dread lich
290421 | Zig:27   | Killed a dread lich
290421 | Zig:27   | Killed an ancient lich
290421 | Zig:27   | Killed a dread lich
290421 | Zig:27   | Noticed an ancient lich
290421 | Zig:27   | Noticed an ancient lich
290421 | Zig:27   | Noticed an ancient lich
290421 | Zig:27   | Noticed an ancient lich
290421 | Zig:27   | Noticed a dread lich
290421 | Zig:27   | Noticed an ancient lich
290421 | Zig:27   | Noticed a dread lich
290422 | Zig:27   | Noticed an ancient lich
290422 | Zig:27   | Noticed an ancient lich
290422 | Zig:27   | Noticed a dread lich
290422 | Zig:27   | Noticed an ancient lich
290422 | Zig:27   | Noticed an ancient lich
290422 | Zig:27   | Noticed an ancient lich
290423 | Zig:27   | Noticed a dread lich
290423 | Zig:27   | Noticed an ancient lich
290423 | Zig:27   | Killed a dread lich
290423 | Zig:27   | Killed an ancient lich
290423 | Zig:27   | Killed an ancient lich
290423 | Zig:27   | Killed an ancient lich
290423 | Zig:27   | Killed a dread lich
290423 | Zig:27   | Killed a dread lich
290423 | Zig:27   | Killed an ancient lich
290423 | Zig:27   | Killed a dread lich
290423 | Zig:27   | Killed an ancient lich
290423 | Zig:27   | Killed a dread lich
290423 | Zig:27   | Killed a dread lich
290423 | Zig:27   | Killed a dread lich
290423 | Zig:27   | Killed a dread lich
290423 | Zig:27   | Killed an ancient lich
290423 | Zig:27   | Killed an ancient lich
290423 | Zig:27   | Killed a dread lich
290423 | Zig:27   | Killed an ancient lich
290424 | Zig:27   | Killed an ancient lich
290424 | Zig:27   | Killed an ancient lich
290424 | Zig:27   | Killed an ancient lich
290424 | Zig:27   | Killed a dread lich
290424 | Zig:27   | Killed an ancient lich
290424 | Zig:27   | Noticed an ancient lich
290424 | Zig:27   | Noticed a dread lich
290424 | Zig:27   | Noticed a dread lich
290424 | Zig:27   | Noticed an ancient lich
290424 | Zig:27   | Noticed a dread lich
290425 | Zig:27   | Noticed a dread lich
290425 | Zig:27   | Noticed an ancient lich
290425 | Zig:27   | Noticed a dread lich
290425 | Zig:27   | Noticed a dread lich
290425 | Zig:27   | Noticed a dread lich
290425 | Zig:27   | Noticed a dread lich
290425 | Zig:27   | Noticed a dread lich
290426 | Zig:27   | Noticed a dread lich
290426 | Zig:27   | Noticed a dread lich
290426 | Zig:27   | Noticed a dread lich
290426 | Zig:27   | Noticed an ancient lich
290426 | Zig:27   | Noticed a dread lich
290427 | Zig:27   | Killed an ancient lich
290427 | Zig:27   | Killed a dread lich
290427 | Zig:27   | Killed a dread lich
290427 | Zig:27   | Killed a dread lich
290427 | Zig:27   | Killed a dread lich
290427 | Zig:27   | Killed an ancient lich
290427 | Zig:27   | Killed an ancient lich
290427 | Zig:27   | Killed an ancient lich
290427 | Zig:27   | Killed a dread lich
290427 | Zig:27   | Killed a dread lich
290427 | Zig:27   | Killed an ancient lich
290427 | Zig:27   | Noticed an ancient lich
290427 | Zig:27   | Noticed a dread lich
290427 | Zig:27   | Noticed a dread lich
290428 | Zig:27   | Noticed a dread lich
290428 | Zig:27   | Noticed an ancient lich
290428 | Zig:27   | Noticed a dread lich
290428 | Zig:27   | Noticed a dread lich
290428 | Zig:27   | Noticed an ancient lich
290429 | Zig:27   | Killed an ancient lich
290429 | Zig:27   | Killed a dread lich
290429 | Zig:27   | Killed a dread lich
290429 | Zig:27   | Killed a dread lich
290429 | Zig:27   | Killed a dread lich
290429 | Zig:27   | Killed a dread lich
290429 | Zig:27   | Killed an ancient lich
290429 | Zig:27   | Killed a dread lich
290429 | Zig:27   | Killed an ancient lich
290430 | Zig:27   | Killed a dread lich
290430 | Zig:27   | Killed a dread lich
290430 | Zig:27   | Killed an ancient lich
290430 | Zig:27   | Killed an ancient lich
290431 | Zig:27   | Noticed an ancient lich
290432 | Zig:27   | Noticed a dread lich
290433 | Zig:27   | Noticed a dread lich
290434 | Zig:27   | Killed an ancient lich
290434 | Zig:27   | Killed a dread lich
290434 | Zig:27   | Killed an ancient lich
290434 | Zig:27   | Killed a dread lich
290434 | Zig:27   | Killed a dread lich
290437 | Zig:27   | Noticed a dread lich
290437 | Zig:27   | Noticed a dread lich
290439 | Zig:27   | Noticed a dread lich
290440 | Zig:27   | Killed a dread lich
290440 | Zig:27   | Killed a dread lich
290441 | Zig:27   | Noticed a dread lich
290441 | Zig:27   | Noticed an ancient lich
290442 | Zig:27   | Noticed a dread lich
290443 | Zig:27   | Killed a dread lich
290443 | Zig:27   | Killed a dread lich
290443 | Zig:27   | Killed a dread lich
290443 | Zig:27   | Killed an ancient lich
290443 | Zig:27   | Killed a dread lich
290443 | Zig:27   | Killed a dread lich
290443 | Zig:27   | Killed a dread lich
290444 | Zig:27   | Identified the staff of the Ageing Gods {Will+ Conj}
290446 | Zig:27   | Killed a dread lich
290446 | Zig:27   | Noticed a dread lich
290447 | Zig:27   | Noticed an ancient lich
290448 | Zig:27   | Noticed an ancient lich
290448 | Zig:27   | Noticed a dread lich
290448 | Zig:27   | Noticed a dread lich
290448 | Zig:27   | Noticed an ancient lich
290449 | Zig:27   | Noticed an ancient lich
290450 | Zig:27   | Noticed a dread lich
290450 | Zig:27   | Killed an ancient lich
290450 | Zig:27   | Killed a dread lich
290450 | Zig:27   | Killed a dread lich
290451 | Zig:27   | Noticed a dread lich
290451 | Zig:27   | Noticed an ancient lich
290451 | Zig:27   | Noticed an ancient lich
290451 | Zig:27   | Noticed a dread lich
290453 | Zig:27   | Killed an ancient lich
290453 | Zig:27   | Killed an ancient lich
290453 | Zig:27   | Killed an ancient lich
290453 | Zig:27   | Killed a dread lich
290453 | Zig:27   | Killed a dread lich
290453 | Zig:27   | Killed an ancient lich
290453 | Zig:27   | Killed an ancient lich
290453 | Zig:27   | Killed a dread lich
290457 | Zig:27   | Killed a dread lich
290551 | Zig:27   | Identified the +3 leather armour of Wicked Salvation
                  | {Int+4}
290558 | Zig:27   | Identified the +2 ring mail of the Platytaur {Int+3}
290561 | Zig:27   | Identified the +3 dagger of Fuschidwo {heavy, +Blink Str+8}
290566 | Zig:27   | Identified the ring of Bokuuw {+Blink Fly}
290573 | Zig:27   | Identified the +7 hand axe "Dozivvule" {pain, Will+ Str+3
                  | Dex-3}
290587 | Zig:27   | Identified the +9 quick blade of Ignis's Inspiration
                  | {spect, rC+}
290593 | Zig:27   | Identified the +2 leather armour "Vusah" {Int+3}
290617 | Zig:27   | Identified the ring of Cashres {Fly rN+++ Will+ Dex-4}
290619 | Zig:27   | Identified the +4 quarterstaff of Guile {elec, rElec MP+9
                  | Dex-5}
290623 | Zig:27   | Identified the +6 pearl dragon scales "Uphubun" {rN+ Regen+
                  | Str+3 Int+4}
290624 | Zig:27   | Identified the +7 plate armour of the Slorg {rN+}
290630 | Zig:27   | Identified the ring "Paimn" {Wiz Int+6}
290647 | Zig:27   | Identified the +8 spear of Cioqoij {distort, Str+3 SInv}
290666 | Zig:27   | Identified the ring of Ywnuxe Qeaja {rPois Will++ AC+4}
290746 | Zig:27   | Identified the +4 short sword "Widegh" {elec, Str+2 Dex+3}
290771 | Zig:27   | Identified the amulet of the Echidna {RegenMP Fly rPois
                  | Dex+2 SInv}
291577 | Depths:3 | Acquired the ring "Eguabyes" {rElec Will++ MP+9 Slay+4}
291581 | Depths:3 | Acquired 701 gold pieces
291625 | Zig:1    | Entered Level 1 of a ziggurat
291640 | Zig:2    | Entered Level 2 of a ziggurat
291660 | Zig:3    | Entered Level 3 of a ziggurat
291660 | Zig:3    | Noticed an ancient lich
291660 | Zig:3    | Noticed a dread lich
291660 | Zig:3    | Noticed an ancient lich
291660 | Zig:3    | Noticed a dread lich
291660 | Zig:3    | Noticed a dread lich
291660 | Zig:3    | Noticed an ancient lich
291660 | Zig:3    | Noticed a dread lich
291660 | Zig:3    | Noticed a dread lich
291660 | Zig:3    | Noticed a dread lich
291660 | Zig:3    | Noticed a dread lich
291660 | Zig:3    | Noticed a dread lich
291660 | Zig:3    | Noticed a dread lich
291660 | Zig:3    | Noticed a dread lich
291660 | Zig:3    | Noticed an ancient lich
291660 | Zig:3    | Noticed an ancient lich
291660 | Zig:3    | Noticed a dread lich
291660 | Zig:3    | Noticed a dread lich
291660 | Zig:3    | Noticed an ancient lich
291660 | Zig:3    | Noticed an ancient lich
291660 | Zig:3    | Noticed an ancient lich
291660 | Zig:3    | Noticed an ancient lich
291661 | Zig:3    | Killed a dread lich
291661 | Zig:3    | Killed a dread lich
291661 | Zig:3    | Killed a dread lich
291661 | Zig:3    | Killed an ancient lich
291661 | Zig:3    | Killed a dread lich
291661 | Zig:3    | Killed an ancient lich
291661 | Zig:3    | Killed an ancient lich
291661 | Zig:3    | Killed a dread lich
291661 | Zig:3    | Killed an ancient lich
291662 | Zig:3    | Noticed an ancient lich
291662 | Zig:3    | Noticed an ancient lich
291663 | Zig:3    | Killed a dread lich
291664 | Zig:3    | Killed an ancient lich
291664 | Zig:3    | Killed a dread lich
291664 | Zig:3    | Killed an ancient lich
291664 | Zig:3    | Killed a dread lich
291664 | Zig:3    | Killed a dread lich
291664 | Zig:3    | Killed an ancient lich
291664 | Zig:3    | Killed a dread lich
291667 | Zig:3    | Killed an ancient lich
291670 | Zig:3    | Killed an ancient lich
291670 | Zig:3    | Killed a dread lich
291670 | Zig:3    | Killed an ancient lich
291670 | Zig:3    | Killed an ancient lich
291671 | Zig:3    | Killed a dread lich
291699 | Zig:3    | Identified the amulet "Xerph" {RegenMP Will+}
291711 | Zig:3    | Identified the +6 chain mail "Atiutz" {rElec}
291812 | Zig:4    | Entered Level 4 of a ziggurat
291995 | Zig:5    | Entered Level 5 of a ziggurat
291995 | Zig:5    | Noticed Cuecaih the pandemonium lord
291995 | Zig:5    | Noticed Eriergh the pandemonium lord
291995 | Zig:5    | Noticed Vyuptier the pandemonium lord
291995 | Zig:5    | Noticed Feos the pandemonium lord
291995 | Zig:5    | Noticed Xeucomou the pandemonium lord
291995 | Zig:5    | Noticed Metonn the pandemonium lord
291995 | Zig:5    | Noticed Pore the pandemonium lord
291995 | Zig:5    | Noticed Tapet the pandemonium lord
291995 | Zig:5    | Noticed Biorip the pandemonium lord
291995 | Zig:5    | Noticed Ofaepp the pandemonium lord
291995 | Zig:5    | Noticed Ceeko the pandemonium lord
291995 | Zig:5    | Noticed Daonu the pandemonium lord
291995 | Zig:5    | Noticed Akhek the pandemonium lord
291995 | Zig:5    | Noticed Ekinae the pandemonium lord
291995 | Zig:5    | Noticed Jolle the pandemonium lord
291995 | Zig:5    | Noticed Amos the pandemonium lord
291995 | Zig:5    | Noticed Corebol the pandemonium lord
291995 | Zig:5    | Noticed Femein the pandemonium lord
291995 | Zig:5    | Noticed Ducix the pandemonium lord
291995 | Zig:5    | Noticed Sahoquag the pandemonium lord
291995 | Zig:5    | Noticed Vyanon the pandemonium lord
291995 | Zig:5    | Noticed Juluzuc the pandemonium lord
291995 | Zig:5    | Noticed Mutsoeha the pandemonium lord
291995 | Zig:5    | Noticed Daibavep the pandemonium lord
291995 | Zig:5    | Noticed Padwot the pandemonium lord
291995 | Zig:5    | Noticed Qouxipt the pandemonium lord
291995 | Zig:5    | Noticed Picsuloh the pandemonium lord
291995 | Zig:5    | Noticed Otoant the pandemonium lord
291995 | Zig:5    | Noticed Soritt the pandemonium lord
291995 | Zig:5    | Noticed Xizxit the pandemonium lord
291995 | Zig:5    | Noticed Ivoosaps the pandemonium lord
291997 | Zig:5    | Killed Xeucomou the pandemonium lord
291997 | Zig:5    | Killed Biorip the pandemonium lord
291997 | Zig:5    | Killed Pore the pandemonium lord
291997 | Zig:5    | Killed Daonu the pandemonium lord
291997 | Zig:5    | Killed Ofaepp the pandemonium lord
291997 | Zig:5    | Killed Soritt the pandemonium lord
291997 | Zig:5    | Killed Picsuloh the pandemonium lord
291997 | Zig:5    | Killed Daibavep the pandemonium lord
291997 | Zig:5    | Killed Ducix the pandemonium lord
291997 | Zig:5    | Killed Sahoquag the pandemonium lord
291997 | Zig:5    | Killed Ceeko the pandemonium lord
291997 | Zig:5    | Killed Ekinae the pandemonium lord
291997 | Zig:5    | Killed Amos the pandemonium lord
291997 | Zig:5    | Killed Jolle the pandemonium lord
291997 | Zig:5    | Noticed Hearemex the pandemonium lord
291998 | Zig:5    | Killed Vyanon the pandemonium lord
291998 | Zig:5    | Killed Ivoosaps the pandemonium lord
291998 | Zig:5    | Killed Tapet the pandemonium lord
291998 | Zig:5    | Killed Metonn the pandemonium lord
291998 | Zig:5    | Killed Qouxipt the pandemonium lord
291998 | Zig:5    | Killed Vyuptier the pandemonium lord
291998 | Zig:5    | Killed Femein the pandemonium lord
291999 | Zig:5    | Noticed Nyedogu the pandemonium lord
291999 | Zig:5    | Noticed Luusaquo the pandemonium lord
291999 | Zig:5    | Noticed Diecrun the pandemonium lord
291999 | Zig:5    | Noticed Nahiw the pandemonium lord
292000 | Zig:5    | Noticed Poesaiq the pandemonium lord
292001 | Zig:5    | Noticed Mucwestu the pandemonium lord
292001 | Zig:5    | Noticed Kouzymyb the pandemonium lord
292002 | Zig:5    | Noticed Loybae the pandemonium lord
292002 | Zig:5    | Noticed Jongu the pandemonium lord
292003 | Zig:5    | Killed Loybae the pandemonium lord
292003 | Zig:5    | Killed Diecrun the pandemonium lord
292003 | Zig:5    | Killed Nahiw the pandemonium lord
292003 | Zig:5    | Killed Eriergh the pandemonium lord
292003 | Zig:5    | Killed Kouzymyb the pandemonium lord
292003 | Zig:5    | Killed Mutsoeha the pandemonium lord
292004 | Zig:5    | Killed Feos the pandemonium lord
292004 | Zig:5    | Killed Padwot the pandemonium lord
292004 | Zig:5    | Killed Juluzuc the pandemonium lord
292004 | Zig:5    | Killed Otoant the pandemonium lord
292005 | Zig:5    | Killed Xizxit the pandemonium lord
292005 | Zig:5    | Killed Corebol the pandemonium lord
292005 | Zig:5    | Killed Luusaquo the pandemonium lord
292005 | Zig:5    | Killed Nyedogu the pandemonium lord
292005 | Zig:5    | Killed Akhek the pandemonium lord
292008 | Zig:5    | Killed Cuecaih the pandemonium lord
292008 | Zig:5    | Killed Mucwestu the pandemonium lord
292008 | Zig:5    | Killed Hearemex the pandemonium lord
292008 | Zig:5    | Killed Poesaiq the pandemonium lord
292013 | Zig:5    | Killed Jongu the pandemonium lord
292060 | Zig:5    | Identified the ring "Agyfu" {rC+ Dex+5}
292114 | Zig:5    | Identified the +11 whip "Rummage" {spect, rF+ Dex+3}
292265 | Zig:6    | Entered Level 6 of a ziggurat
292265 | Zig:6    | Noticed a royal mummy
292265 | Zig:6    | Noticed a royal mummy
292265 | Zig:6    | Noticed a royal mummy
292265 | Zig:6    | Noticed a royal mummy
292265 | Zig:6    | Noticed a royal mummy
292265 | Zig:6    | Noticed a royal mummy
292265 | Zig:6    | Noticed a royal mummy
292266 | Zig:6    | Killed a royal mummy
292266 | Zig:6    | Killed a royal mummy
292266 | Zig:6    | Killed a royal mummy
292269 | Zig:6    | Killed a royal mummy
292269 | Zig:6    | Killed a royal mummy
292269 | Zig:6    | Killed a royal mummy
292269 | Zig:6    | Killed a royal mummy
292428 | Zig:6    | Identified the +2 shortbow of the Twenty Visions {freeze,
                  | Int+2}
292475 | Zig:6    | Identified the +0 chain mail of the Red God {rElec}
292506 | Zig:7    | Entered Level 7 of a ziggurat
292535 | Zig:8    | Entered Level 8 of a ziggurat
292564 | Zig:9    | Entered Level 9 of a ziggurat
292596 | Zig:9    | Identified the +3 orcbow "Beure" {elec, rC- rN+ rCorr Str+4
                  | Dex+3}
292598 | Zig:9    | Identified the ring "Yfuh Ker" {rElec rN+ Will+ EV+5 Dex-2}
292600 | Zig:9    | Identified the ring of the Morning {rPois MP+9 Str+2}
292602 | Zig:9    | Identified the +1 robe of the Ancient Olives {Regen+ Dex+4}
292609 | Zig:9    | Identified the +9 spear "Qugroekk" {drain, rElec rC- rN+}
292627 | Zig:9    | Identified the amulet of Oniuq {Acrobat rElec rC+ Int+6}
293043 | Zig:10   | Entered Level 10 of a ziggurat
293429 | Zig:10   | Identified the +4 scale mail of Pride {rCorr Int+4 Dex+3}
293431 | Zig:10   | Identified the ring of the Inviting Queen {Wiz *Corrode
                  | Int+2 Dex+2}
293449 | Zig:10   | Identified the ring "Zoorewk" {Ice Int+3 Dex+2}
293451 | Zig:10   | Identified the +9 flail of Xom's Respect {freeze, *Slow rC+
                  | rN+}
293478 | Zig:11   | Entered Level 11 of a ziggurat
293535 | Zig:11   | Identified the staff of Aqiqaz {rF+ Will+ Fire}
294010 | Zig:12   | Entered Level 12 of a ziggurat
294419 | Zig:12   | Identified the amulet "Seph" {RegenMP rN+ rCorr MP-9 Int+4}
294421 | Zig:12   | Identified the +10 orcbow of Naoconyxu {drain, rN+ Str+5
                  | Dex+2}
294435 | Zig:12   | Identified the +11 trident of Foul Odours {speed, Str+6}
294459 | Zig:12   | Identified the staff of Instinct {rElec Hexes Tloc Air}
294512 | Zig:13   | Entered Level 13 of a ziggurat
294512 | Zig:13   | Noticed a royal mummy
294512 | Zig:13   | Noticed a royal mummy
294512 | Zig:13   | Noticed a royal mummy
294512 | Zig:13   | Noticed a royal mummy
294512 | Zig:13   | Noticed a royal mummy
294512 | Zig:13   | Noticed a royal mummy
294512 | Zig:13   | Noticed a royal mummy
294512 | Zig:13   | Noticed a royal mummy
294512 | Zig:13   | Noticed a royal mummy
294512 | Zig:13   | Noticed a royal mummy
294513 | Zig:13   | Killed a royal mummy
294513 | Zig:13   | Killed a royal mummy
294513 | Zig:13   | Killed a royal mummy
294513 | Zig:13   | Killed a royal mummy
294513 | Zig:13   | Killed a royal mummy
294513 | Zig:13   | Killed a royal mummy
294513 | Zig:13   | Killed a royal mummy
294513 | Zig:13   | Killed a royal mummy
294513 | Zig:13   | Killed a royal mummy
294513 | Zig:13   | Killed a royal mummy
294514 | Zig:13   | Noticed a royal mummy
294514 | Zig:13   | Noticed a royal mummy
294514 | Zig:13   | Noticed a royal mummy
294515 | Zig:13   | Noticed a royal mummy
294517 | Zig:13   | Noticed a royal mummy
294517 | Zig:13   | Noticed a royal mummy
294517 | Zig:13   | Noticed a royal mummy
294519 | Zig:13   | Killed a royal mummy
294519 | Zig:13   | Killed a royal mummy
294519 | Zig:13   | Killed a royal mummy
294519 | Zig:13   | Killed a royal mummy
294519 | Zig:13   | Killed a royal mummy
294519 | Zig:13   | Killed a royal mummy
294519 | Zig:13   | Noticed a royal mummy
294519 | Zig:13   | Noticed a royal mummy
294520 | Zig:13   | Noticed a royal mummy
294520 | Zig:13   | Noticed a royal mummy
294520 | Zig:13   | Noticed a royal mummy
294520 | Zig:13   | Noticed a royal mummy
294520 | Zig:13   | Noticed a royal mummy
294520 | Zig:13   | Noticed a royal mummy
294521 | Zig:13   | Noticed a royal mummy
294521 | Zig:13   | Noticed a royal mummy
294522 | Zig:13   | Killed a royal mummy
294522 | Zig:13   | Killed a royal mummy
294522 | Zig:13   | Killed a royal mummy
294522 | Zig:13   | Killed a royal mummy
294522 | Zig:13   | Killed a royal mummy
294522 | Zig:13   | Killed a royal mummy
294522 | Zig:13   | Killed a royal mummy
294522 | Zig:13   | Killed a royal mummy
294522 | Zig:13   | Killed a royal mummy
294522 | Zig:13   | Killed a royal mummy
294522 | Zig:13   | Noticed a royal mummy
294523 | Zig:13   | Noticed a royal mummy
294523 | Zig:13   | Killed a royal mummy
294523 | Zig:13   | Noticed a royal mummy
294524 | Zig:13   | Noticed a royal mummy
294525 | Zig:13   | Killed a royal mummy
294525 | Zig:13   | Noticed a royal mummy
294527 | Zig:13   | Killed a royal mummy
294527 | Zig:13   | Killed a royal mummy
294527 | Zig:13   | Killed a royal mummy
294527 | Zig:13   | Noticed a royal mummy
294528 | Zig:13   | Noticed a royal mummy
294528 | Zig:13   | Noticed a royal mummy
294530 | Zig:13   | Killed a royal mummy
294530 | Zig:13   | Killed a royal mummy
294532 | Zig:13   | Killed a royal mummy
294533 | Zig:13   | Noticed a royal mummy
294534 | Zig:13   | Killed a royal mummy
294536 | Zig:13   | Killed a royal mummy
294552 | Zig:13   | Identified the staff "Eppemoav" {rC+ Will+ SInv Ice}
295005 | Zig:14   | Entered Level 14 of a ziggurat
295041 | Zig:15   | Entered Level 15 of a ziggurat
295103 | Zig:15   | Identified the +2 robe "Qoha" {rPois}
295110 | Zig:15   | Identified the +2 rapier "Meghead" {freeze, MP+9}
295114 | Zig:15   | Identified the amulet of Qazlal's Respect {Spirit Int+6}
295116 | Zig:15   | Identified the staff "Wemmu" {rF+ rC+ Fire Air}
295120 | Zig:15   | Identified the +6 scale mail of Existentialism {rN+ Dex+4
                  | SInv}
295123 | Zig:15   | Identified the +9 longbow "Jumibu" {heavy, rPois Will- MP+9
                  | SInv}
295130 | Zig:15   | Identified the +4 dire flail "Sisyamn" {freeze, Fly MP+9
                  | Str+3 Int+3}
295484 | Zig:15   | Identified the ring of Yjay {Wiz Dex+5}
295491 | Zig:15   | Identified the amulet "Qutsaist" {Faith Regen+ rCorr Str+2
                  | Dex-2}
295496 | Zig:15   | Identified the +1 leather armour of the Tarantula {rN+
                  | Will- rCorr Slay+2}
295547 | Zig:16   | Entered Level 16 of a ziggurat
296060 | Zig:16   | Identified the +0 robe of Peigix {Int+3}
296066 | Zig:16   | Identified the ring "Wyoliy" {Fire Int-3 Dex+4 Slay+4}
296070 | Zig:16   | Identified the amulet "Pudduvecs" {Spirit Str+5 Int+3}
296084 | Zig:16   | Identified the +4 quarterstaff of Spores {antimagic, rF+}
296100 | Zig:16   | Identified the +0 pair of boots of Satisfaction {rF- rN++}
296112 | Zig:16   | Identified the +2 scimitar of the Magi {heavy, ^Contam
                  | rElec rN++}
296138 | Zig:16   | Identified the ring "Vemneall" {rElec AC+4}
296150 | Zig:16   | Identified the +1 robe "Otom" {rF+ Archmagi}
296174 | Zig:16   | Identified the +4 spear of Hikk {vamp, rF- rN+ Stlth+}
296177 | Zig:16   | Identified the +1 hand axe "Visimoes" {heavy, rN+ Str+3}
296258 | Zig:17   | Entered Level 17 of a ziggurat
296258 | Zig:17   | Noticed a dread lich
296258 | Zig:17   | Noticed an ancient lich
296258 | Zig:17   | Noticed a dread lich
296258 | Zig:17   | Noticed a dread lich
296258 | Zig:17   | Noticed a dread lich
296258 | Zig:17   | Noticed an ancient lich
296258 | Zig:17   | Noticed a dread lich
296258 | Zig:17   | Noticed an ancient lich
296258 | Zig:17   | Noticed a dread lich
296258 | Zig:17   | Noticed a dread lich
296258 | Zig:17   | Noticed an ancient lich
296258 | Zig:17   | Noticed a dread lich
296258 | Zig:17   | Noticed a dread lich
296258 | Zig:17   | Noticed a dread lich
296258 | Zig:17   | Noticed a dread lich
296258 | Zig:17   | Noticed a dread lich
296258 | Zig:17   | Noticed a dread lich
296258 | Zig:17   | Noticed an ancient lich
296258 | Zig:17   | Noticed a dread lich
296258 | Zig:17   | Noticed a dread lich
296258 | Zig:17   | Noticed an ancient lich
296258 | Zig:17   | Noticed a dread lich
296258 | Zig:17   | Noticed a dread lich
296258 | Zig:17   | Noticed an ancient lich
296258 | Zig:17   | Noticed an ancient lich
296258 | Zig:17   | Noticed a dread lich
296260 | Zig:17   | Killed a dread lich
296260 | Zig:17   | Killed an ancient lich
296260 | Zig:17   | Killed a dread lich
296260 | Zig:17   | Killed a dread lich
296260 | Zig:17   | Killed a dread lich
296260 | Zig:17   | Killed an ancient lich
296260 | Zig:17   | Killed a dread lich
296260 | Zig:17   | Killed a dread lich
296260 | Zig:17   | Killed a dread lich
296260 | Zig:17   | Killed a dread lich
296260 | Zig:17   | Killed an ancient lich
296260 | Zig:17   | Killed a dread lich
296260 | Zig:17   | Killed an ancient lich
296260 | Zig:17   | Killed a dread lich
296260 | Zig:17   | Killed an ancient lich
296260 | Zig:17   | Killed an ancient lich
296260 | Zig:17   | Killed a dread lich
296260 | Zig:17   | Killed a dread lich
296260 | Zig:17   | Killed a dread lich
296260 | Zig:17   | Killed a dread lich
296260 | Zig:17   | Killed an ancient lich
296260 | Zig:17   | Killed a dread lich
296260 | Zig:17   | Noticed a dread lich
296260 | Zig:17   | Killed a dread lich
296261 | Zig:17   | Killed a dread lich
296261 | Zig:17   | Killed a dread lich
296261 | Zig:17   | Killed a dread lich
296261 | Zig:17   | Killed an ancient lich
296261 | Zig:17   | Noticed an ancient lich
296262 | Zig:17   | Noticed a dread lich
296262 | Zig:17   | Noticed an ancient lich
296262 | Zig:17   | Noticed an ancient lich
296263 | Zig:17   | Noticed an ancient lich
296263 | Zig:17   | Noticed an ancient lich
296263 | Zig:17   | Noticed a dread lich
296263 | Zig:17   | Noticed a dread lich
296263 | Zig:17   | Noticed an ancient lich
296263 | Zig:17   | Noticed a dread lich
296263 | Zig:17   | Noticed an ancient lich
296263 | Zig:17   | Noticed an ancient lich
296264 | Zig:17   | Noticed a dread lich
296265 | Zig:17   | Killed a dread lich
296265 | Zig:17   | Killed an ancient lich
296265 | Zig:17   | Killed a dread lich
296265 | Zig:17   | Killed an ancient lich
296265 | Zig:17   | Killed an ancient lich
296265 | Zig:17   | Killed an ancient lich
296265 | Zig:17   | Killed an ancient lich
296265 | Zig:17   | Killed an ancient lich
296265 | Zig:17   | Killed a dread lich
296265 | Zig:17   | Killed a dread lich
296265 | Zig:17   | Noticed an ancient lich
296265 | Zig:17   | Noticed a dread lich
296266 | Zig:17   | Noticed an ancient lich
296266 | Zig:17   | Noticed a dread lich
296266 | Zig:17   | Noticed a dread lich
296267 | Zig:17   | Noticed a dread lich
296267 | Zig:17   | Noticed a dread lich
296267 | Zig:17   | Noticed an ancient lich
296268 | Zig:17   | Noticed a dread lich
296268 | Zig:17   | Killed an ancient lich
296268 | Zig:17   | Killed a dread lich
296268 | Zig:17   | Killed a dread lich
296268 | Zig:17   | Killed an ancient lich
296268 | Zig:17   | Killed an ancient lich
296268 | Zig:17   | Killed a dread lich
296269 | Zig:17   | Noticed an ancient lich
296269 | Zig:17   | Noticed a dread lich
296269 | Zig:17   | Noticed a dread lich
296269 | Zig:17   | Noticed a dread lich
296270 | Zig:17   | Noticed a dread lich
296270 | Zig:17   | Noticed a dread lich
296270 | Zig:17   | Noticed a dread lich
296270 | Zig:17   | Noticed an ancient lich
296270 | Zig:17   | Noticed a dread lich
296270 | Zig:17   | Noticed an ancient lich
296271 | Zig:17   | :hmm
296271 | Zig:17   | :i need to turn off unusual comes into view and cloud move
                  | prompts
296271 | Zig:17   | Killed a dread lich
296271 | Zig:17   | Killed a dread lich
296271 | Zig:17   | Killed a dread lich
296271 | Zig:17   | Killed an ancient lich
296271 | Zig:17   | Killed a dread lich
296271 | Zig:17   | Killed a dread lich
296271 | Zig:17   | Killed a dread lich
296272 | Zig:17   | Noticed a dread lich
296272 | Zig:17   | Noticed a dread lich
296272 | Zig:17   | Noticed an ancient lich
296272 | Zig:17   | Noticed a dread lich
296272 | Zig:17   | Noticed a dread lich
296273 | Zig:17   | Noticed a dread lich
296273 | Zig:17   | Noticed an ancient lich
296273 | Zig:17   | Noticed an ancient lich
296274 | Zig:17   | Noticed an ancient lich
296274 | Zig:17   | Noticed a dread lich
296274 | Zig:17   | Killed an ancient lich
296274 | Zig:17   | Killed a dread lich
296274 | Zig:17   | Killed an ancient lich
296274 | Zig:17   | Killed a dread lich
296274 | Zig:17   | Killed a dread lich
296274 | Zig:17   | Killed a dread lich
296274 | Zig:17   | Killed a dread lich
296274 | Zig:17   | Killed an ancient lich
296274 | Zig:17   | Killed a dread lich
296274 | Zig:17   | Killed a dread lich
296274 | Zig:17   | Killed a dread lich
296277 | Zig:17   | Killed a dread lich
296277 | Zig:17   | Killed an ancient lich
296277 | Zig:17   | Killed a dread lich
296277 | Zig:17   | Killed an ancient lich
296277 | Zig:17   | Killed an ancient lich
296277 | Zig:17   | Killed a dread lich
296277 | Zig:17   | Killed an ancient lich
296277 | Zig:17   | Killed an ancient lich
296277 | Zig:17   | Noticed a dread lich
296278 | Zig:17   | Noticed an ancient lich
296278 | Zig:17   | Noticed a dread lich
296278 | Zig:17   | Noticed a dread lich
296279 | Zig:17   | Noticed an ancient lich
296280 | Zig:17   | Noticed an ancient lich
296280 | Zig:17   | Killed a dread lich
296280 | Zig:17   | Noticed a dread lich
296280 | Zig:17   | Noticed an ancient lich
296280 | Zig:17   | Noticed an ancient lich
296280 | Zig:17   | Noticed a dread lich
296281 | Zig:17   | Noticed a dread lich
296281 | Zig:17   | Noticed a dread lich
296281 | Zig:17   | Noticed a dread lich
296281 | Zig:17   | Noticed a dread lich
296282 | Zig:17   | Noticed a dread lich
296282 | Zig:17   | Noticed a dread lich
296283 | Zig:17   | Killed a dread lich
296283 | Zig:17   | Killed an ancient lich
296283 | Zig:17   | Killed a dread lich
296283 | Zig:17   | Killed a dread lich
296283 | Zig:17   | Killed an ancient lich
296283 | Zig:17   | Killed a dread lich
296285 | Zig:17   | Killed an ancient lich
296285 | Zig:17   | Killed a dread lich
296285 | Zig:17   | Killed a dread lich
296285 | Zig:17   | Killed a dread lich
296285 | Zig:17   | Killed a dread lich
296285 | Zig:17   | Noticed an ancient lich
296285 | Zig:17   | Noticed a dread lich
296286 | Zig:17   | Killed an ancient lich
296286 | Zig:17   | Killed an ancient lich
296286 | Zig:17   | Killed a dread lich
296286 | Zig:17   | Killed a dread lich
296286 | Zig:17   | Killed a dread lich
296286 | Zig:17   | Killed an ancient lich
296287 | Zig:17   | Noticed a dread lich
296287 | Zig:17   | Noticed an ancient lich
296287 | Zig:17   | Noticed a dread lich
296287 | Zig:17   | Noticed an ancient lich
296288 | Zig:17   | Noticed a dread lich
296288 | Zig:17   | Noticed a dread lich
296288 | Zig:17   | Noticed an ancient lich
296289 | Zig:17   | Killed an ancient lich
296289 | Zig:17   | Killed an ancient lich
296292 | Zig:17   | Killed a dread lich
296292 | Zig:17   | Killed a dread lich
296292 | Zig:17   | Killed an ancient lich
296292 | Zig:17   | Killed a dread lich
296292 | Zig:17   | Killed a dread lich
296363 | Zig:17   | Identified the +2 arbalest of World's End {penet, Str+5
                  | Int-4 SInv}
296369 | Zig:17   | Identified the +7 mace "Hydrabane" {freeze, MP+9 Dex+3}
296370 | Zig:17   | Identified the +0 plate armour of Juttot {Will+}
296378 | Zig:17   | Identified the +11 great sword "Omikkiff" {drain, rF+}
296382 | Zig:17   | Identified the ring of Cathriw {^Contam Will+ Str+6}
296393 | Zig:17   | Identified the staff of Compassion {Int+6 Conj}
296402 | Zig:17   | Identified the +2 trident "Wenimmao" {speed, Dex+4}
296416 | Zig:17   | Identified the +8 short sword "Agruk" {freeze, ^Fragile
                  | rElec rN+ Int+3}
296421 | Zig:17   | Identified the +5 dire flail "Pabustrei" {antimagic,
                  | +Blink}
296442 | Zig:17   | Identified the +3 flail of the Usurping Scorpion {flame,
                  | Str+3 Dex+4}
296914 | Zig:18   | Entered Level 18 of a ziggurat
296940 | Zig:18   | Paralysed by an air elemental for 1 turns
297522 | Zig:18   | Identified the staff of Vanity {rPois rF+ rN+ Stlth+ Fire}
297530 | Zig:18   | Identified the +4 halberd of Waty {heavy, Str+3}
297534 | Zig:18   | Identified the +3 dagger of Xounk {holy, rN+}
297538 | Zig:18   | Identified the +3 flail "Eridacso" {spect, *Slow rCorr
                  | Int+2 Stlth+}
297559 | Zig:18   | Identified the +5 ring mail of Pandemonium {rN+ Will+
                  | Str+4}
297561 | Zig:18   | Identified the +4 scale mail of Levity {rCorr Str+5 Stlth-}
297569 | Zig:18   | Identified the +1 robe of Lilacs {Dex+4}
297577 | Zig:18   | Identified the +0 buckler of Omission {Dex+6 Stlth-}
297578 | Zig:18   | Identified the ring "Unituo Sufu" {*Corrode rC++ Dex+3
                  | Slay+3 SInv}
297645 | Zig:18   | Identified the +3 sling "Ucag" {antimagic, rPois rN+ Str+3
                  | Dex-2}
297705 | Zig:19   | Entered Level 19 of a ziggurat
297770 | Zig:19   | Identified the +9 orcbow "Kakhlesa" {speed, ^Drain rPois
                  | Str+2}
297809 | Zig:19   | Identified the +3 eveningstar "Havacaus" {venom, Int+3}
297848 | Zig:19   | Identified the +9 spear of Malaise {flame, ^Fragile Str+3
                  | Dex+2}
297855 | Zig:19   | Identified the +9 quarterstaff "Gulesi" {venom, rElec rF-
                  | rN+ Int+6}
297861 | Zig:19   | Identified the staff "Qaakisch" {rPois rC+ MP+9 Str-3
                  | Stlth+ Ice Earth}
297868 | Zig:19   | Identified the ring of Logout {Fire +Blink Will++ Dex-4}
297874 | Zig:19   | Identified the staff "Wavyxuac" {rElec rPois rF+ rC+ Int+3
                  | Dex+2 Alchemy}
297876 | Zig:19   | Identified the staff "Syrhuten" {rF+ Str+5 Fire}
298389 | Zig:19   | :and maybe see about writing an automated pickup for rings
                  | and staves (and auxes?) with better artps to eliminate any
                  | need to look at them
298398 | Zig:20   | Entered Level 20 of a ziggurat
298416 | Zig:20   | Noticed a dread lich
298422 | Zig:20   | Killed a dread lich
298440 | Zig:20   | Noticed a dread lich
298443 | Zig:20   | Noticed a dread lich
298445 | Zig:20   | Killed a dread lich
298451 | Zig:20   | Killed a dread lich
299193 | Zig:20   | Identified the ring "Wiegh" {+Blink Fly Stlth+}
299201 | Zig:20   | Identified the +5 hand axe "Nullomog" {antimagic, *Corrode
                  | rC+ Int+3 Dex+3}
299218 | Zig:20   | Identified the ring of the Townfolk {Wiz rPois rN+ Str+2}
299221 | Zig:20   | Identified the +2 robe of Xenien {Stlth+}
299226 | Zig:20   | Identified the +2 great sword of Beogh {flame, rCorr}
299267 | Zig:21   | Entered Level 21 of a ziggurat
299267 | Zig:21   | Noticed a dread lich
299267 | Zig:21   | Noticed an ancient lich
299267 | Zig:21   | Noticed a dread lich
299267 | Zig:21   | Noticed a dread lich
299267 | Zig:21   | Noticed a dread lich
299267 | Zig:21   | Noticed a dread lich
299267 | Zig:21   | Noticed a dread lich
299267 | Zig:21   | Noticed an ancient lich
299267 | Zig:21   | Noticed an ancient lich
299267 | Zig:21   | Noticed an ancient lich
299267 | Zig:21   | Noticed a dread lich
299268 | Zig:21   | Noticed an ancient lich
299268 | Zig:21   | Noticed a dread lich
299268 | Zig:21   | Noticed an ancient lich
299269 | Zig:21   | Noticed a dread lich
299269 | Zig:21   | Noticed a dread lich
299269 | Zig:21   | Noticed an ancient lich
299269 | Zig:21   | Noticed a dread lich
299269 | Zig:21   | Noticed a dread lich
299270 | Zig:21   | Killed a dread lich
299270 | Zig:21   | Killed an ancient lich
299270 | Zig:21   | Killed a dread lich
299270 | Zig:21   | Killed a dread lich
299271 | Zig:21   | Killed a dread lich
299271 | Zig:21   | Killed a dread lich
299271 | Zig:21   | Killed an ancient lich
299271 | Zig:21   | Killed an ancient lich
299271 | Zig:21   | Killed a dread lich
299271 | Zig:21   | Killed an ancient lich
299271 | Zig:21   | Killed an ancient lich
299271 | Zig:21   | Killed a dread lich
299271 | Zig:21   | Killed a dread lich
299271 | Zig:21   | Killed a dread lich
299271 | Zig:21   | Killed a dread lich
299272 | Zig:21   | Noticed an ancient lich
299272 | Zig:21   | Noticed an ancient lich
299272 | Zig:21   | Noticed an ancient lich
299272 | Zig:21   | Killed a dread lich
299273 | Zig:21   | Noticed a dread lich
299273 | Zig:21   | Noticed a dread lich
299273 | Zig:21   | Noticed an ancient lich
299273 | Zig:21   | Noticed an ancient lich
299273 | Zig:21   | Noticed an ancient lich
299273 | Zig:21   | Noticed a dread lich
299273 | Zig:21   | Noticed an ancient lich
299273 | Zig:21   | Noticed a dread lich
299274 | Zig:21   | Killed an ancient lich
299274 | Zig:21   | Killed an ancient lich
299274 | Zig:21   | Killed an ancient lich
299275 | Zig:21   | Noticed an ancient lich
299275 | Zig:21   | Noticed an ancient lich
299275 | Zig:21   | Noticed an ancient lich
299275 | Zig:21   | Noticed a dread lich
299276 | Zig:21   | Noticed an ancient lich
299276 | Zig:21   | Noticed an ancient lich
299276 | Zig:21   | Noticed a dread lich
299276 | Zig:21   | Killed an ancient lich
299277 | Zig:21   | Killed an ancient lich
299277 | Zig:21   | Killed an ancient lich
299277 | Zig:21   | Killed a dread lich
299277 | Zig:21   | Killed a dread lich
299277 | Zig:21   | Killed an ancient lich
299277 | Zig:21   | Killed an ancient lich
299277 | Zig:21   | Killed an ancient lich
299277 | Zig:21   | Killed a dread lich
299277 | Zig:21   | Killed an ancient lich
299277 | Zig:21   | Killed a dread lich
299277 | Zig:21   | Killed a dread lich
299277 | Zig:21   | Killed an ancient lich
299277 | Zig:21   | Killed an ancient lich
299277 | Zig:21   | Killed a dread lich
299278 | Zig:21   | Noticed a dread lich
299278 | Zig:21   | Noticed an ancient lich
299278 | Zig:21   | Noticed an ancient lich
299279 | Zig:21   | Noticed a dread lich
299279 | Zig:21   | Noticed a dread lich
299279 | Zig:21   | Noticed a dread lich
299279 | Zig:21   | Noticed a dread lich
299279 | Zig:21   | Noticed a dread lich
299279 | Zig:21   | Noticed a dread lich
299279 | Zig:21   | Noticed a dread lich
299279 | Zig:21   | Noticed a dread lich
299280 | Zig:21   | Noticed a dread lich
299280 | Zig:21   | Killed a dread lich
299280 | Zig:21   | Killed a dread lich
299280 | Zig:21   | Killed an ancient lich
299281 | Zig:21   | Noticed an ancient lich
299281 | Zig:21   | Noticed an ancient lich
299281 | Zig:21   | Noticed a dread lich
299281 | Zig:21   | Noticed a dread lich
299281 | Zig:21   | Noticed an ancient lich
299281 | Zig:21   | Killed a dread lich
299282 | Zig:21   | Noticed an ancient lich
299282 | Zig:21   | Noticed an ancient lich
299282 | Zig:21   | Killed an ancient lich
299283 | Zig:21   | Killed a dread lich
299283 | Zig:21   | Killed a dread lich
299283 | Zig:21   | Killed a dread lich
299283 | Zig:21   | Killed a dread lich
299283 | Zig:21   | Killed a dread lich
299283 | Zig:21   | Killed a dread lich
299283 | Zig:21   | Killed a dread lich
299283 | Zig:21   | Killed an ancient lich
299283 | Zig:21   | Killed an ancient lich
299284 | Zig:21   | Noticed a dread lich
299284 | Zig:21   | Noticed a dread lich
299284 | Zig:21   | Noticed a dread lich
299284 | Zig:21   | Noticed an ancient lich
299284 | Zig:21   | Noticed an ancient lich
299284 | Zig:21   | Noticed a dread lich
299284 | Zig:21   | Killed a dread lich
299284 | Zig:21   | Killed a dread lich
299284 | Zig:21   | Noticed a dread lich
299284 | Zig:21   | Noticed a dread lich
299285 | Zig:21   | Noticed an ancient lich
299285 | Zig:21   | Noticed a dread lich
299285 | Zig:21   | Noticed a dread lich
299285 | Zig:21   | Noticed an ancient lich
299285 | Zig:21   | Killed an ancient lich
299285 | Zig:21   | Killed an ancient lich
299286 | Zig:21   | Killed an ancient lich
299286 | Zig:21   | Killed a dread lich
299286 | Zig:21   | Killed a dread lich
299286 | Zig:21   | Killed an ancient lich
299286 | Zig:21   | Killed a dread lich
299286 | Zig:21   | Killed an ancient lich
299286 | Zig:21   | Noticed a dread lich
299286 | Zig:21   | Noticed an ancient lich
299287 | Zig:21   | Noticed a dread lich
299287 | Zig:21   | Noticed an ancient lich
299287 | Zig:21   | Noticed an ancient lich
299287 | Zig:21   | Noticed a dread lich
299288 | Zig:21   | Noticed a dread lich
299288 | Zig:21   | Noticed a dread lich
299288 | Zig:21   | Noticed an ancient lich
299288 | Zig:21   | Noticed a dread lich
299288 | Zig:21   | Noticed a dread lich
299288 | Zig:21   | Noticed a dread lich
299288 | Zig:21   | Noticed an ancient lich
299288 | Zig:21   | Killed an ancient lich
299289 | Zig:21   | Killed a dread lich
299289 | Zig:21   | Killed a dread lich
299289 | Zig:21   | Killed a dread lich
299289 | Zig:21   | Killed a dread lich
299289 | Zig:21   | Killed an ancient lich
299289 | Zig:21   | Killed a dread lich
299289 | Zig:21   | Killed a dread lich
299289 | Zig:21   | Killed an ancient lich
299289 | Zig:21   | Killed an ancient lich
299289 | Zig:21   | Killed an ancient lich
299289 | Zig:21   | Killed an ancient lich
299289 | Zig:21   | Killed a dread lich
299289 | Zig:21   | Noticed a dread lich
299289 | Zig:21   | Noticed an ancient lich
299289 | Zig:21   | Noticed an ancient lich
299290 | Zig:21   | Noticed an ancient lich
299290 | Zig:21   | Noticed a dread lich
299290 | Zig:21   | Noticed an ancient lich
299290 | Zig:21   | Noticed an ancient lich
299290 | Zig:21   | Noticed a dread lich
299290 | Zig:21   | Noticed a dread lich
299291 | Zig:21   | Noticed a dread lich
299291 | Zig:21   | Noticed an ancient lich
299291 | Zig:21   | Noticed an ancient lich
299291 | Zig:21   | Noticed an ancient lich
299291 | Zig:21   | Noticed an ancient lich
299291 | Zig:21   | Noticed an ancient lich
299292 | Zig:21   | Noticed an ancient lich
299292 | Zig:21   | Killed a dread lich
299292 | Zig:21   | Killed a dread lich
299292 | Zig:21   | Killed a dread lich
299292 | Zig:21   | Killed a dread lich
299292 | Zig:21   | Killed an ancient lich
299292 | Zig:21   | Killed an ancient lich
299292 | Zig:21   | Killed a dread lich
299292 | Zig:21   | Killed a dread lich
299292 | Zig:21   | Killed an ancient lich
299292 | Zig:21   | Killed an ancient lich
299292 | Zig:21   | Killed an ancient lich
299292 | Zig:21   | Killed a dread lich
299292 | Zig:21   | Killed a dread lich
299293 | Zig:21   | Noticed a dread lich
299293 | Zig:21   | Noticed a dread lich
299293 | Zig:21   | Noticed a dread lich
299293 | Zig:21   | Noticed a dread lich
299294 | Zig:21   | Noticed a dread lich
299294 | Zig:21   | Noticed an ancient lich
299294 | Zig:21   | Noticed a dread lich
299295 | Zig:21   | Killed an ancient lich
299295 | Zig:21   | Killed a dread lich
299295 | Zig:21   | Killed an ancient lich
299295 | Zig:21   | Killed an ancient lich
299295 | Zig:21   | Killed an ancient lich
299295 | Zig:21   | Killed a dread lich
299295 | Zig:21   | Killed a dread lich
299295 | Zig:21   | Killed an ancient lich
299295 | Zig:21   | Killed an ancient lich
299296 | Zig:21   | Noticed an ancient lich
299296 | Zig:21   | Noticed an ancient lich
299296 | Zig:21   | Noticed an ancient lich
299296 | Zig:21   | Noticed a dread lich
299296 | Zig:21   | Noticed an ancient lich
299297 | Zig:21   | Noticed a dread lich
299297 | Zig:21   | Noticed a dread lich
299297 | Zig:21   | Noticed a dread lich
299297 | Zig:21   | Killed an ancient lich
299297 | Zig:21   | Killed a dread lich
299298 | Zig:21   | Killed a dread lich
299298 | Zig:21   | Killed a dread lich
299298 | Zig:21   | Killed a dread lich
299298 | Zig:21   | Killed an ancient lich
299298 | Zig:21   | Killed a dread lich
299298 | Zig:21   | Killed an ancient lich
299298 | Zig:21   | Killed an ancient lich
299298 | Zig:21   | Killed a dread lich
299298 | Zig:21   | Killed a dread lich
299299 | Zig:21   | Noticed an ancient lich
299299 | Zig:21   | Noticed a dread lich
299299 | Zig:21   | Noticed a dread lich
299300 | Zig:21   | Noticed an ancient lich
299300 | Zig:21   | Noticed a dread lich
299300 | Zig:21   | Noticed a dread lich
299300 | Zig:21   | Noticed an ancient lich
299301 | Zig:21   | Killed an ancient lich
299301 | Zig:21   | Killed an ancient lich
299301 | Zig:21   | Killed a dread lich
299301 | Zig:21   | Killed a dread lich
299301 | Zig:21   | Killed an ancient lich
299301 | Zig:21   | Killed a dread lich
299301 | Zig:21   | Killed a dread lich
299301 | Zig:21   | Killed an ancient lich
299301 | Zig:21   | Killed an ancient lich
299301 | Zig:21   | Killed an ancient lich
299301 | Zig:21   | Killed a dread lich
299302 | Zig:21   | Noticed an ancient lich
299304 | Zig:21   | Killed a dread lich
299304 | Zig:21   | Killed a dread lich
299306 | Zig:21   | Identified the +1 chain mail "Nuwal" {rPois rCorr Dex-4}
299306 | Zig:21   | Killed an ancient lich
299307 | Zig:21   | Killed a dread lich
299309 | Zig:21   | Killed an ancient lich
299315 | Zig:21   | Noticed a dread lich
299320 | Zig:21   | Killed a dread lich
299418 | Zig:21   | Identified the +6 rapier "Rex Pey" {flame, rC- rN+ Will+
                  | Str+2}
299419 | Zig:21   | Identified the +1 robe of Reko {Dex+5}
299422 | Zig:21   | Identified the staff of Moloto {rN+ Str+2 Conj Necro}
299448 | Zig:21   | Identified the +2 leather armour "Sazxipont" {Will+ Str-3
                  | Slay+2}
299479 | Zig:21   | Identified the +5 short sword of the Radish {speed, rElec
                  | Str-2 Int+3}
299485 | Zig:21   | Identified the +4 mace "Metec" {drain, rElec Str-3 Int+2}
299513 | Zig:21   | Identified the ring of the Duchess {rPois rCorr Int+6
                  | Slay+3}
299563 | Zig:21   | Identified the +3 short sword "Sasiaga" {drain, *Corrode
                  | Dex+2 SInv}
299567 | Zig:21   | Identified the staff "Vyism" {rF+ Int+3 Fire}
299569 | Zig:21   | Identified the amulet "Nikifah" {Reflect Str+4 Dex+4 SH+5}
299758 | Zig:21   | Identified the +1 scale mail of Prudence {rPois Str+4}
300139 | Zig:22   | Entered Level 22 of a ziggurat
300139 | Zig:22   | Noticed Heoqukha the pandemonium lord
300139 | Zig:22   | Noticed Wekog the pandemonium lord
300139 | Zig:22   | Noticed Sumyac the pandemonium lord
300139 | Zig:22   | Noticed Wipnej the pandemonium lord
300139 | Zig:22   | Noticed Irrelopn the pandemonium lord
300139 | Zig:22   | Noticed Jakk the pandemonium lord
300139 | Zig:22   | Noticed Mutzuos the pandemonium lord
300139 | Zig:22   | Noticed Diruthoki the pandemonium lord
300139 | Zig:22   | Noticed Bucevac the pandemonium lord
300139 | Zig:22   | Noticed Xuetist the pandemonium lord
300139 | Zig:22   | Noticed Vujijev the pandemonium lord
300139 | Zig:22   | Noticed Heleo the pandemonium lord
300139 | Zig:22   | Noticed Degg the pandemonium lord
300139 | Zig:22   | Noticed Ipsenain the pandemonium lord
300139 | Zig:22   | Noticed Filaf the pandemonium lord
300139 | Zig:22   | Noticed Tyaroaw the pandemonium lord
300139 | Zig:22   | Noticed Felod the pandemonium lord
300139 | Zig:22   | Noticed Taqoemet the pandemonium lord
300139 | Zig:22   | Noticed Noffuoseej the pandemonium lord
300139 | Zig:22   | Noticed Omoecsat the pandemonium lord
300139 | Zig:22   | Noticed Giym the pandemonium lord
300139 | Zig:22   | Noticed Moru the pandemonium lord
300139 | Zig:22   | Noticed Gaiwaogec the pandemonium lord
300139 | Zig:22   | Noticed Peiwnyr the pandemonium lord
300139 | Zig:22   | Noticed Torumes the pandemonium lord
300139 | Zig:22   | Noticed Kuarphaan the pandemonium lord
300141 | Zig:22   | Killed Heoqukha the pandemonium lord
300141 | Zig:22   | Killed Wipnej the pandemonium lord
300141 | Zig:22   | Killed Irrelopn the pandemonium lord
300141 | Zig:22   | Killed Ipsenain the pandemonium lord
300141 | Zig:22   | Killed Filaf the pandemonium lord
300141 | Zig:22   | Killed Xuetist the pandemonium lord
300141 | Zig:22   | Killed Taqoemet the pandemonium lord
300141 | Zig:22   | Killed Degg the pandemonium lord
300141 | Zig:22   | Killed Gaiwaogec the pandemonium lord
300141 | Zig:22   | Killed Kuarphaan the pandemonium lord
300141 | Zig:22   | Killed Bucevac the pandemonium lord
300141 | Zig:22   | Killed Usogh the pandemonium lord
300141 | Zig:22   | Killed Felod the pandemonium lord
300141 | Zig:22   | Killed Moru the pandemonium lord
300141 | Zig:22   | Killed Tyaroaw the pandemonium lord
300141 | Zig:22   | Killed Xiluh the pandemonium lord
300141 | Zig:22   | Killed Hauxzoki the pandemonium lord
300141 | Zig:22   | Noticed Feoss the pandemonium lord
300141 | Zig:22   | Noticed Gatwyiw the pandemonium lord
300142 | Zig:22   | Noticed Zihoiry the pandemonium lord
300142 | Zig:22   | Noticed Qaitzu the pandemonium lord
300143 | Zig:22   | Killed Omoecsat the pandemonium lord
300143 | Zig:22   | Noticed Gyuhiw Naus the pandemonium lord
300143 | Zig:22   | Noticed Teuthyec the pandemonium lord
300144 | Zig:22   | Noticed Uluteics the pandemonium lord
300144 | Zig:22   | Noticed Seir the pandemonium lord
300144 | Zig:22   | Noticed Zeosavek the pandemonium lord
300144 | Zig:22   | Killed Giym the pandemonium lord
300144 | Zig:22   | Noticed Zoigeadi the pandemonium lord
300145 | Zig:22   | Noticed Perch the pandemonium lord
300145 | Zig:22   | Noticed Kaon the pandemonium lord
300145 | Zig:22   | Noticed Olaot the pandemonium lord
300145 | Zig:22   | Noticed Besulol the pandemonium lord
300146 | Zig:22   | Noticed Gyblolor the pandemonium lord
300147 | Zig:22   | Noticed Xealidgh the pandemonium lord
300147 | Zig:22   | Killed Wekog the pandemonium lord
300147 | Zig:22   | Killed Teuthyec the pandemonium lord
300147 | Zig:22   | Killed Zoigeadi the pandemonium lord
300147 | Zig:22   | Killed Perch the pandemonium lord
300147 | Zig:22   | Killed Vujijev the pandemonium lord
300147 | Zig:22   | Killed Besulol the pandemonium lord
300147 | Zig:22   | Killed Very the pandemonium lord
300147 | Zig:22   | Killed Kaon the pandemonium lord
300147 | Zig:22   | Killed Qaitzu the pandemonium lord
300148 | Zig:22   | Noticed Sidih the pandemonium lord
300148 | Zig:22   | Noticed Nuregot the pandemonium lord
300148 | Zig:22   | Noticed Zuofuj the pandemonium lord
300148 | Zig:22   | Noticed Fyristri the pandemonium lord
300149 | Zig:22   | Noticed Volaf the pandemonium lord
300150 | Zig:22   | Noticed Meciwul the pandemonium lord
300152 | Zig:22   | Killed Noffuoseej the pandemonium lord
300152 | Zig:22   | Killed Zihoiry the pandemonium lord
300154 | Zig:22   | Noticed Qietof the pandemonium lord
300154 | Zig:22   | Noticed Otoov the pandemonium lord
300155 | Zig:22   | Noticed Segafasa the pandemonium lord
300155 | Zig:22   | Noticed Kifyfal the pandemonium lord
300155 | Zig:22   | Noticed Feuwakh the pandemonium lord
300155 | Zig:22   | Noticed Jieraax the pandemonium lord
300155 | Zig:22   | Noticed Cougid the pandemonium lord
300155 | Zig:22   | Noticed Otymp the pandemonium lord
300155 | Zig:22   | Killed Mutzuos the pandemonium lord
300155 | Zig:22   | Killed Gyblolor the pandemonium lord
300156 | Zig:22   | Killed Heleo the pandemonium lord
300156 | Zig:22   | Killed Peiwnyr the pandemonium lord
300156 | Zig:22   | Noticed Fiodoc the pandemonium lord
300156 | Zig:22   | Killed Sidih the pandemonium lord
300156 | Zig:22   | Noticed Zacaadgh the pandemonium lord
300157 | Zig:22   | Noticed Olureth the pandemonium lord
300157 | Zig:22   | Killed Torumes the pandemonium lord
300158 | Zig:22   | Noticed Xonimut the pandemonium lord
300158 | Zig:22   | Killed Kifyfal the pandemonium lord
300158 | Zig:22   | Killed Gyuhiw Naus the pandemonium lord
300158 | Zig:22   | Killed Seir the pandemonium lord
300158 | Zig:22   | Killed Zeosavek the pandemonium lord
300158 | Zig:22   | Killed Gatwyiw the pandemonium lord
300158 | Zig:22   | Killed Sumyac the pandemonium lord
300158 | Zig:22   | Killed Diruthoki the pandemonium lord
300158 | Zig:22   | Killed Volaf the pandemonium lord
300158 | Zig:22   | Killed Uluteics the pandemonium lord
300158 | Zig:22   | Killed Feoss the pandemonium lord
300158 | Zig:22   | Killed Jakk the pandemonium lord
300158 | Zig:22   | Noticed Daxkucen the pandemonium lord
300159 | Zig:22   | Noticed Iteske the pandemonium lord
300160 | Zig:22   | Killed Feuwakh the pandemonium lord
300160 | Zig:22   | Killed Xealidgh the pandemonium lord
300160 | Zig:22   | Killed Olureth the pandemonium lord
300160 | Zig:22   | Killed Nuregot the pandemonium lord
300160 | Zig:22   | Noticed Caloapaill the pandemonium lord
300161 | Zig:22   | Noticed Istot the pandemonium lord
300161 | Zig:22   | Noticed Tall the pandemonium lord
300161 | Zig:22   | Noticed Goytacogh the pandemonium lord
300161 | Zig:22   | Noticed Vooxus the pandemonium lord
300161 | Zig:22   | Noticed Popick the pandemonium lord
300161 | Zig:22   | Killed Olaot the pandemonium lord
300162 | Zig:22   | Noticed Qivoo the pandemonium lord
300162 | Zig:22   | Noticed Dux Keam the pandemonium lord
300162 | Zig:22   | Noticed Tyfrim the pandemonium lord
300162 | Zig:22   | Noticed Dekitergh the pandemonium lord
300162 | Zig:22   | Noticed Olawaove the pandemonium lord
300162 | Zig:22   | Noticed Pinao the pandemonium lord
300162 | Zig:22   | Noticed Iseah the pandemonium lord
300162 | Zig:22   | Noticed Yvilar the pandemonium lord
300163 | Zig:22   | Noticed Sienamm the pandemonium lord
300163 | Zig:22   | Noticed Daturu the pandemonium lord
300163 | Zig:22   | Noticed Lyg Fida the pandemonium lord
300163 | Zig:22   | Killed Miamo the pandemonium lord
300164 | Zig:22   | Noticed Fuyl the pandemonium lord
300164 | Zig:22   | Noticed Luokkifori the pandemonium lord
300164 | Zig:22   | Killed Otymp the pandemonium lord
300164 | Zig:22   | Killed Popick the pandemonium lord
300164 | Zig:22   | Killed Otoov the pandemonium lord
300164 | Zig:22   | Killed Fyristri the pandemonium lord
300164 | Zig:22   | Killed Jieraax the pandemonium lord
300164 | Zig:22   | Killed Goytacogh the pandemonium lord
300164 | Zig:22   | Killed Tall the pandemonium lord
300164 | Zig:22   | Killed Yvilar the pandemonium lord
300164 | Zig:22   | Killed Caloapaill the pandemonium lord
300164 | Zig:22   | Killed Daxkucen the pandemonium lord
300165 | Zig:22   | Noticed Xigg the pandemonium lord
300166 | Zig:22   | Noticed Kitayneb the pandemonium lord
300166 | Zig:22   | Noticed Totits the pandemonium lord
300166 | Zig:22   | Noticed Zafusom the pandemonium lord
300166 | Zig:22   | Noticed Foexaef the pandemonium lord
300166 | Zig:22   | Noticed Veriwk the pandemonium lord
300167 | Zig:22   | Killed Dux Keam the pandemonium lord
300167 | Zig:22   | Killed Zacaadgh the pandemonium lord
300167 | Zig:22   | Killed Fiodoc the pandemonium lord
300167 | Zig:22   | Killed Xonimut the pandemonium lord
300167 | Zig:22   | Killed Lyg Fida the pandemonium lord
300167 | Zig:22   | Killed Qietof the pandemonium lord
300167 | Zig:22   | Killed Sienamm the pandemonium lord
300167 | Zig:22   | Killed Fuyl the pandemonium lord
300167 | Zig:22   | Noticed Leomaol the pandemonium lord
300167 | Zig:22   | Killed Ferphed the pandemonium lord
300167 | Zig:22   | Noticed Etecs the pandemonium lord
300167 | Zig:22   | Noticed Dycenyas the pandemonium lord
300167 | Zig:22   | Noticed Xagozaw the pandemonium lord
300167 | Zig:22   | Noticed Iburahipt the pandemonium lord
300168 | Zig:22   | Noticed Astraom the pandemonium lord
300168 | Zig:22   | Noticed Gicosag the pandemonium lord
300168 | Zig:22   | Noticed Wabelyuc the pandemonium lord
300168 | Zig:22   | Noticed Lewesa the pandemonium lord
300168 | Zig:22   | Noticed Yggaif the pandemonium lord
300168 | Zig:22   | Noticed Ocriep the pandemonium lord
300168 | Zig:22   | Noticed Doifar the pandemonium lord
300168 | Zig:22   | Noticed Zistiul the pandemonium lord
300168 | Zig:22   | Noticed Payj Cok the pandemonium lord
300168 | Zig:22   | Noticed Viechuxzuab the pandemonium lord
300169 | Zig:22   | Killed Xigg the pandemonium lord
300169 | Zig:22   | Killed Pinao the pandemonium lord
300169 | Zig:22   | Killed Cougid the pandemonium lord
300169 | Zig:22   | Killed Vooxus the pandemonium lord
300169 | Zig:22   | Killed Segafasa the pandemonium lord
300169 | Zig:22   | Killed Dycenyas the pandemonium lord
300169 | Zig:22   | Killed Qivoo the pandemonium lord
300169 | Zig:22   | Killed Olawaove the pandemonium lord
300169 | Zig:22   | Killed Kitayneb the pandemonium lord
300169 | Zig:22   | Killed Luokkifori the pandemonium lord
300169 | Zig:22   | Noticed Qiecs the pandemonium lord
300169 | Zig:22   | Noticed Hiymm the pandemonium lord
300169 | Zig:22   | Noticed Tyin the pandemonium lord
300170 | Zig:22   | Noticed Xogu Tid the pandemonium lord
300170 | Zig:22   | Noticed Qirupaoff the pandemonium lord
300170 | Zig:22   | Noticed Gessuv the pandemonium lord
300170 | Zig:22   | Noticed Ekyliwko the pandemonium lord
300170 | Zig:22   | Noticed Uggaroat the pandemonium lord
300170 | Zig:22   | Noticed Goahaq the pandemonium lord
300170 | Zig:22   | Noticed Ventacot the pandemonium lord
300170 | Zig:22   | Noticed Lonaawku the pandemonium lord
300170 | Zig:22   | Noticed Lifuunemo the pandemonium lord
300170 | Zig:22   | Noticed Vuiq the pandemonium lord
300170 | Zig:22   | Noticed Gacai the pandemonium lord
300171 | Zig:22   | Noticed Biydwi the pandemonium lord
300172 | Zig:22   | Noticed Hukagrou the pandemonium lord
300172 | Zig:22   | Noticed Taedwat the pandemonium lord
300172 | Zig:22   | Noticed Dilutso the pandemonium lord
300172 | Zig:22   | Noticed Otifrang the pandemonium lord
300172 | Zig:22   | Noticed Pitsy the pandemonium lord
300172 | Zig:22   | Noticed Wuqif the pandemonium lord
300172 | Zig:22   | Noticed Diczyung the pandemonium lord
300172 | Zig:22   | Noticed Isiomes the pandemonium lord
300173 | Zig:22   | Noticed Jaclul the pandemonium lord
300173 | Zig:22   | Killed Tyfrim the pandemonium lord
300174 | Zig:22   | Killed Meciwul the pandemonium lord
300175 | Zig:22   | Killed Iburahipt the pandemonium lord
300175 | Zig:22   | Killed Iseah the pandemonium lord
300175 | Zig:22   | Killed Veriwk the pandemonium lord
300175 | Zig:22   | Killed Biydwi the pandemonium lord
300175 | Zig:22   | Killed Uggaroat the pandemonium lord
300175 | Zig:22   | Killed Astraom the pandemonium lord
300175 | Zig:22   | Killed Totits the pandemonium lord
300175 | Zig:22   | Killed Pitsy the pandemonium lord
300175 | Zig:22   | Killed Gicosag the pandemonium lord
300175 | Zig:22   | Killed Gessuv the pandemonium lord
300175 | Zig:22   | Killed Tyin the pandemonium lord
300175 | Zig:22   | Killed Yggaif the pandemonium lord
300175 | Zig:22   | Killed Wuqif the pandemonium lord
300175 | Zig:22   | Killed Gacai the pandemonium lord
300175 | Zig:22   | Killed Nuittaga the pandemonium lord
300175 | Zig:22   | Killed Daturu the pandemonium lord
300175 | Zig:22   | Killed Zistiul the pandemonium lord
300175 | Zig:22   | Killed Leomaol the pandemonium lord
300175 | Zig:22   | Killed Ventacot the pandemonium lord
300175 | Zig:22   | Killed Vuiq the pandemonium lord
300175 | Zig:22   | Noticed Suurchaps the pandemonium lord
300175 | Zig:22   | Noticed Fithon the pandemonium lord
300176 | Zig:22   | Noticed Laviblips the pandemonium lord
300176 | Zig:22   | Noticed Okipsuesh the pandemonium lord
300176 | Zig:22   | Killed Iteske the pandemonium lord
300177 | Zig:22   | Noticed Pown the pandemonium lord
300177 | Zig:22   | Noticed Ryabun the pandemonium lord
300177 | Zig:22   | Noticed Dehil the pandemonium lord
300177 | Zig:22   | Noticed Lobuor the pandemonium lord
300178 | Zig:22   | Noticed Izxol the pandemonium lord
300178 | Zig:22   | Killed Payj Cok the pandemonium lord
300178 | Zig:22   | Killed Zuofuj the pandemonium lord
300178 | Zig:22   | Killed Taedwat the pandemonium lord
300178 | Zig:22   | Killed Laviblips the pandemonium lord
300178 | Zig:22   | Killed Hukagrou the pandemonium lord
300178 | Zig:22   | Killed Istot the pandemonium lord
300178 | Zig:22   | Killed Jaclul the pandemonium lord
300178 | Zig:22   | Noticed Feich the pandemonium lord
300178 | Zig:22   | Noticed Wucsaxto the pandemonium lord
300179 | Zig:22   | Killed Xagozaw the pandemonium lord
300179 | Zig:22   | Killed Qiecs the pandemonium lord
300179 | Zig:22   | Killed Izxol the pandemonium lord
300179 | Zig:22   | Killed Viechuxzuab the pandemonium lord
300179 | Zig:22   | Killed Pown the pandemonium lord
300179 | Zig:22   | Killed Lewesa the pandemonium lord
300179 | Zig:22   | Noticed Lohob the pandemonium lord
300179 | Zig:22   | Noticed Bien the pandemonium lord
300179 | Zig:22   | Noticed Nujym the pandemonium lord
300179 | Zig:22   | Noticed Naojidd the pandemonium lord
300179 | Zig:22   | Noticed Telov the pandemonium lord
300179 | Zig:22   | Killed Biacat the pandemonium lord
300180 | Zig:22   | Noticed Jekhlink the pandemonium lord
300180 | Zig:22   | Noticed Moanaba the pandemonium lord
300181 | Zig:22   | Killed Qirupaoff the pandemonium lord
300181 | Zig:22   | Killed Doifar the pandemonium lord
300181 | Zig:22   | Killed Lonaawku the pandemonium lord
300181 | Zig:22   | Killed Ekyliwko the pandemonium lord
300181 | Zig:22   | Killed Hiymm the pandemonium lord
300181 | Zig:22   | Killed Etecs the pandemonium lord
300181 | Zig:22   | Killed Xogu Tid the pandemonium lord
300181 | Zig:22   | Killed Dilutso the pandemonium lord
300181 | Zig:22   | Noticed Lighi the pandemonium lord
300181 | Zig:22   | Noticed Siam the pandemonium lord
300182 | Zig:22   | Noticed Buerer the pandemonium lord
300182 | Zig:22   | Noticed Kioqefonoe the pandemonium lord
300182 | Zig:22   | Noticed Umyfakha the pandemonium lord
300182 | Zig:22   | Noticed Zorch the pandemonium lord
300182 | Zig:22   | Noticed Ponibus the pandemonium lord
300182 | Zig:22   | Noticed Imoon the pandemonium lord
300182 | Zig:22   | Noticed Fadorralya the pandemonium lord
300183 | Zig:22   | Noticed Juclep the pandemonium lord
300183 | Zig:22   | Noticed Japyom the pandemonium lord
300183 | Zig:22   | Noticed Zethraz the pandemonium lord
300183 | Zig:22   | Noticed Giow the pandemonium lord
300183 | Zig:22   | Noticed Galuoji the pandemonium lord
300183 | Zig:22   | Noticed Ohiysucw the pandemonium lord
300183 | Zig:22   | Noticed Joima the pandemonium lord
300185 | Zig:22   | Killed Umyfakha the pandemonium lord
300185 | Zig:22   | Killed Lobuor the pandemonium lord
300185 | Zig:22   | Killed Otifrang the pandemonium lord
300185 | Zig:22   | Killed Lohob the pandemonium lord
300185 | Zig:22   | Killed Fithon the pandemonium lord
300185 | Zig:22   | Killed Nujym the pandemonium lord
300185 | Zig:22   | Killed Dehil the pandemonium lord
300185 | Zig:22   | Killed Bien the pandemonium lord
300185 | Zig:22   | Killed Diczyung the pandemonium lord
300185 | Zig:22   | Killed Foexaef the pandemonium lord
300185 | Zig:22   | Killed Japyom the pandemonium lord
300185 | Zig:22   | Killed Imoon the pandemonium lord
300185 | Zig:22   | Killed Ohiysucw the pandemonium lord
300185 | Zig:22   | Killed Wabelyuc the pandemonium lord
300185 | Zig:22   | Killed Giow the pandemonium lord
300185 | Zig:22   | Killed Moanaba the pandemonium lord
300185 | Zig:22   | Noticed Tame the pandemonium lord
300185 | Zig:22   | Noticed Rofy the pandemonium lord
300186 | Zig:22   | Noticed Xuwik the pandemonium lord
300186 | Zig:22   | Noticed Wolloil the pandemonium lord
300186 | Zig:22   | Noticed Hatajud the pandemonium lord
300186 | Zig:22   | Noticed Ruhoic the pandemonium lord
300186 | Zig:22   | Killed Ryabun the pandemonium lord
300187 | Zig:22   | Killed Buerer the pandemonium lord
300187 | Zig:22   | Killed Isiomes the pandemonium lord
300187 | Zig:22   | Killed Ocriep the pandemonium lord
300187 | Zig:22   | Killed Galuoji the pandemonium lord
300187 | Zig:22   | Killed Ruhoic the pandemonium lord
300187 | Zig:22   | Killed Zorch the pandemonium lord
300187 | Zig:22   | Killed Xuwik the pandemonium lord
300187 | Zig:22   | Killed Siam the pandemonium lord
300187 | Zig:22   | Killed Olug the pandemonium lord
300187 | Zig:22   | Killed Rofy the pandemonium lord
300187 | Zig:22   | Killed Okipsuesh the pandemonium lord
300187 | Zig:22   | Killed Zethraz the pandemonium lord
300187 | Zig:22   | Killed Zafusom the pandemonium lord
300187 | Zig:22   | Noticed Plog the pandemonium lord
300188 | Zig:22   | Noticed Qulomnith the pandemonium lord
300189 | Zig:22   | Noticed Ofaegh the pandemonium lord
300189 | Zig:22   | Noticed Ytu Neno the pandemonium lord
300189 | Zig:22   | Noticed Tareorun the pandemonium lord
300189 | Zig:22   | Noticed Xettanurph the pandemonium lord
300189 | Zig:22   | Killed Juclep the pandemonium lord
300189 | Zig:22   | Killed Tame the pandemonium lord
300189 | Zig:22   | Noticed Osuarche the pandemonium lord
300189 | Zig:22   | Noticed Xovesexa the pandemonium lord
300189 | Zig:22   | Noticed Hiysoyci the pandemonium lord
300189 | Zig:22   | Noticed Quvedoec the pandemonium lord
300190 | Zig:22   | Killed Ponibus the pandemonium lord
300190 | Zig:22   | Killed Feich the pandemonium lord
300190 | Zig:22   | Killed Fadorralya the pandemonium lord
300190 | Zig:22   | Killed Joima the pandemonium lord
300190 | Zig:22   | Killed Suurchaps the pandemonium lord
300190 | Zig:22   | Killed Goahaq the pandemonium lord
300190 | Zig:22   | Noticed Xerph the pandemonium lord
300190 | Zig:22   | Killed Lifuunemo the pandemonium lord
300190 | Zig:22   | Killed Xovesexa the pandemonium lord
300190 | Zig:22   | Noticed Aruewkog the pandemonium lord
300191 | Zig:22   | Noticed Gaezimus the pandemonium lord
300191 | Zig:22   | Noticed Rerapuf the pandemonium lord
300191 | Zig:22   | Noticed Xeydige the pandemonium lord
300191 | Zig:22   | Killed Hatajud the pandemonium lord
300191 | Zig:22   | Killed Jekhlink the pandemonium lord
300191 | Zig:22   | Killed Ofaegh the pandemonium lord
300192 | Zig:22   | Noticed Morhoh the pandemonium lord
300192 | Zig:22   | Noticed Magaile the pandemonium lord
300192 | Zig:22   | Noticed Berid the pandemonium lord
300192 | Zig:22   | Noticed Ukey the pandemonium lord
300193 | Zig:22   | Noticed Xub Nar the pandemonium lord
300193 | Zig:22   | Killed Lighi the pandemonium lord
300193 | Zig:22   | Killed Ytu Neno the pandemonium lord
300194 | Zig:22   | Killed Plog the pandemonium lord
300194 | Zig:22   | Killed Aruewkog the pandemonium lord
300195 | Zig:22   | Killed Xettanurph the pandemonium lord
300195 | Zig:22   | Killed Qulomnith the pandemonium lord
300195 | Zig:22   | Killed Naojidd the pandemonium lord
300196 | Zig:22   | Killed Quvedoec the pandemonium lord
300196 | Zig:22   | Noticed Lymu the pandemonium lord
300197 | Zig:22   | Noticed Gyagutya the pandemonium lord
300197 | Zig:22   | Killed Xerph the pandemonium lord
300197 | Zig:22   | Killed Magaile the pandemonium lord
300197 | Zig:22   | Killed Wucsaxto the pandemonium lord
300198 | Zig:22   | Killed Gaezimus the pandemonium lord
300198 | Zig:22   | Noticed Otetise the pandemonium lord
300198 | Zig:22   | Noticed Qeishoqo the pandemonium lord
300199 | Zig:22   | Noticed Zaub the pandemonium lord
300199 | Zig:22   | Killed Osuarche the pandemonium lord
300199 | Zig:22   | Killed Kioqefonoe the pandemonium lord
300199 | Zig:22   | Noticed Puog the pandemonium lord
300199 | Zig:22   | Noticed Giostid the pandemonium lord
300199 | Zig:22   | Noticed Goale the pandemonium lord
300200 | Zig:22   | Killed Dekitergh the pandemonium lord
300200 | Zig:22   | Killed Ukey the pandemonium lord
300201 | Zig:22   | Killed Xeydige the pandemonium lord
300201 | Zig:22   | Killed Puog the pandemonium lord
300201 | Zig:22   | Killed Hiysoyci the pandemonium lord
300201 | Zig:22   | Noticed Keakhl Tekkij the pandemonium lord
300201 | Zig:22   | Noticed Zaclia Coni the pandemonium lord
300202 | Zig:22   | Noticed Milor the pandemonium lord
300203 | Zig:22   | Noticed Lidghueg the pandemonium lord
300204 | Zig:22   | Killed Lymu the pandemonium lord
300204 | Zig:22   | Killed Zaub the pandemonium lord
300204 | Zig:22   | Noticed Gossoege the pandemonium lord
300204 | Zig:22   | Noticed Coomelux the pandemonium lord
300205 | Zig:22   | Killed Otetise the pandemonium lord
300205 | Zig:22   | Killed Xub Nar the pandemonium lord
300205 | Zig:22   | Killed Tareorun the pandemonium lord
300205 | Zig:22   | Killed Rerapuf the pandemonium lord
300205 | Zig:22   | Killed Jomi the pandemonium lord
300205 | Zig:22   | Noticed Zeuwifou the pandemonium lord
300205 | Zig:22   | Noticed Esatzeog the pandemonium lord
300205 | Zig:22   | Noticed Woat the pandemonium lord
300205 | Zig:22   | Killed Giostid the pandemonium lord
300206 | Zig:22   | Noticed Bacieq the pandemonium lord
300207 | Zig:22   | Noticed Tiggali the pandemonium lord
300208 | Zig:22   | Noticed Cioplado the pandemonium lord
300208 | Zig:22   | Noticed Voconura the pandemonium lord
300208 | Zig:22   | Noticed Cegeppelir the pandemonium lord
300209 | Zig:22   | Killed Morhoh the pandemonium lord
300210 | Zig:22   | Noticed Basmesua the pandemonium lord
300210 | Zig:22   | Noticed Neotowk the pandemonium lord
300210 | Zig:22   | Killed Zaclia Coni the pandemonium lord
300210 | Zig:22   | Killed Keakhl Tekkij the pandemonium lord
300210 | Zig:22   | Killed Qeishoqo the pandemonium lord
300210 | Zig:22   | Killed Goale the pandemonium lord
300210 | Zig:22   | Killed Neotowk the pandemonium lord
300210 | Zig:22   | Killed Voconura the pandemonium lord
300210 | Zig:22   | Killed Woat the pandemonium lord
300210 | Zig:22   | Noticed Tiqeuroi the pandemonium lord
300210 | Zig:22   | Noticed Qunit the pandemonium lord
300211 | Zig:22   | Killed Bacieq the pandemonium lord
300211 | Zig:22   | Noticed Dowk the pandemonium lord
300212 | Zig:22   | Noticed Xaeh Wehauk the pandemonium lord
300212 | Zig:22   | Noticed Toamax the pandemonium lord
300212 | Zig:22   | Killed Wolloil the pandemonium lord
300212 | Zig:22   | Noticed Itsokhea the pandemonium lord
300212 | Zig:22   | Noticed Laimna the pandemonium lord
300213 | Zig:22   | Noticed Gulijung the pandemonium lord
300213 | Zig:22   | Killed Cioplado the pandemonium lord
300213 | Zig:22   | Killed Coomelux the pandemonium lord
300213 | Zig:22   | Killed Tiggali the pandemonium lord
300213 | Zig:22   | Killed Berid the pandemonium lord
300214 | Zig:22   | Noticed Hopo Sia the pandemonium lord
300214 | Zig:22   | Noticed Ehestusi the pandemonium lord
300214 | Zig:22   | Noticed Gyatuhie the pandemonium lord
300214 | Zig:22   | Noticed Ussil the pandemonium lord
300214 | Zig:22   | Noticed Leaferch the pandemonium lord
300214 | Zig:22   | Killed Basmesua the pandemonium lord
300214 | Zig:22   | Killed Milor the pandemonium lord
300214 | Zig:22   | Noticed Urusiy the pandemonium lord
300215 | Zig:22   | Killed Ussil the pandemonium lord
300215 | Zig:22   | Killed Tiqeuroi the pandemonium lord
300215 | Zig:22   | Killed Gyagutya the pandemonium lord
300216 | Zig:22   | Noticed Diomoem the pandemonium lord
300216 | Zig:22   | Noticed Eloukh the pandemonium lord
300217 | Zig:22   | Killed Cegeppelir the pandemonium lord
300217 | Zig:22   | Killed Leaferch the pandemonium lord
300217 | Zig:22   | Killed Gulijung the pandemonium lord
300217 | Zig:22   | Killed Hopo Sia the pandemonium lord
300217 | Zig:22   | Killed Urusiy the pandemonium lord
300217 | Zig:22   | Killed Lidghueg the pandemonium lord
300218 | Zig:22   | Killed Gyatuhie the pandemonium lord
300219 | Zig:22   | Killed Laimna the pandemonium lord
300219 | Zig:22   | Killed Itsokhea the pandemonium lord
300219 | Zig:22   | Killed Qunit the pandemonium lord
300219 | Zig:22   | Killed Xaeh Wehauk the pandemonium lord
300219 | Zig:22   | Noticed Wyh Mep the pandemonium lord
300220 | Zig:22   | Killed Dowk the pandemonium lord
300220 | Zig:22   | Killed Ehestusi the pandemonium lord
300220 | Zig:22   | Killed Eloukh the pandemonium lord
300223 | Zig:22   | Killed Diomoem the pandemonium lord
300223 | Zig:22   | Killed Toamax the pandemonium lord
300229 | Zig:22   | Killed Wyh Mep the pandemonium lord
300233 | Zig:22   | Identified the +2 helmet "Ingef" {rPois rN+ SInv}
300237 | Zig:22   | Killed Gossoege the pandemonium lord
300237 | Zig:22   | Killed Esatzeog the pandemonium lord
300237 | Zig:22   | Killed Zeuwifou the pandemonium lord
300241 | Zig:22   | Killed Telov the pandemonium lord
300840 | Zig:22   | Identified the staff "Jor Ovve" {rElec rN+ Str+2 Int-2
                  | Necro}
300996 | Zig:22   | Identified the +5 shortbow "Arcanum" {drain, rElec Str+6
                  | Dex-5 SInv}
300997 | Zig:22   | Identified the +1 morningstar of Daweys Wuata {venom,
                  | rElec}
301004 | Zig:22   | Identified the +5 flail "Wuhike" {flame, *Rage Int+3 Dex+4}
301008 | Zig:22   | Identified the staff of Wu Jian, Writhing {rN+ Dex+4 Necro}
301017 | Zig:22   | Identified the +8 falchion "Coim" {freeze, Str+4}
301022 | Zig:22   | Identified the +6 triple crossbow of Fortitude {freeze,
                  | rPois rF+}
301023 | Zig:22   | Identified the +4 great mace of Rubbish {elec, rPois Str+2
                  | Int-4 Stlth+}
301033 | Zig:22   | Identified the +1 pair of boots "Raarr" {Slay+5}
301034 | Zig:22   | Identified the +7 sling "Neucvic" {flame, rElec rC++
                  | Stlth-}
301038 | Zig:22   | Identified the +3 war axe "Uffogisu" {protect, rCorr Dex+6}
301040 | Zig:22   | Identified the +1 ring mail of Free Expression {rC++ Regen+
                  | Str-4 Dex+3}
301045 | Zig:22   | Identified the ring "Zurunipi" {rPois rF- rN++ Int+7}
301050 | Zig:22   | Identified the +2 leather armour of Shadows and Fog {Str+2
                  | Dex+3 SInv}
301059 | Zig:22   | Identified the staff "Kair" {rC+ rN+ Necro}
301092 | Zig:22   | Identified the +6 quick blade of Trauma {freeze, Str+5}
301098 | Zig:22   | Identified the +2 robe "Tel Rafed" {rPois Regen+ Dex+4}
301203 | Zig:23   | Entered Level 23 of a ziggurat
301247 | Zig:23   | Identified the ring of Jealousy {rC+ Will+}
301357 | Zig:23   | Identified the +0 fire dragon scales of Cowardice {rF++ rC-
                  | MP+9}
301366 | Zig:23   | Identified the amulet of Qiloxki {rPois rN+ Regen+ Str-4
                  | Slay+2}
301380 | Zig:23   | Identified the +0 helmet of the Farmer {rPois rF+ Int-3}
301385 | Zig:23   | Identified the +0 robe of Indecent Exposure {+Inv rC+
                  | Regen+}
301393 | Zig:23   | Identified the +9 short sword of the Heart {speed, rPois
                  | Int+5}
301408 | Zig:23   | Identified the +8 spear "Vixzauru" {drain, Dex+3}
301412 | Zig:23   | Identified the +1 ring mail of the Slightly Bent {-Tele rN+
                  | rCorr Dex+4}
301418 | Zig:23   | Identified the ring of Edet {Fire MP+9}
301438 | Zig:23   | Identified the +9 flail of Papodop {pain, rPois Will- Str-5
                  | Int+7}
301447 | Zig:23   | Identified the +5 trident "Hustu Fireoch" {freeze, Dex+5}
301461 | Zig:23   | Identified the +10 war axe "Uwkinei" {drain, rF++}
301465 | Zig:23   | Identified the +5 dagger of the Cursing Badger {freeze,
                  | rN+}
301492 | Zig:23   | Identified the +2 leather armour "Vilapton" {Rampage Regen+
                  | Str-3 Slay+5 Stlth-}
301512 | Zig:23   | Identified the ring "Owetzuesh" {EV+5 Str+3 Dex+8}
301646 | Zig:23   | Identified the amulet of Intercession {Regen+ Dex+3}
302217 | Zig:24   | Entered Level 24 of a ziggurat
303027 | Zig:24   | Identified the +6 arbalest of the Mosquito {freeze, Fly}
303037 | Zig:24   | Identified the +3 scale mail "Resan" {rElec rF- Dex+3
                  | Stlth+}
303082 | Zig:24   | Identified the +1 flail of Cinnav {freeze, rN+ Int+3}
303091 | Zig:24   | Identified the ring "Mizaasoe" {rCorr MP+9 AC+4 Slay-3
                  | Stlth+}
303103 | Zig:24   | Identified the +8 quarterstaff of Zeotiop {freeze, Fly
                  | rElec}
303194 | Zig:24   | Identified the +2 dagger of Ipiywk {pain, Str+3 Int+3}
303196 | Zig:24   | Identified the +0 chain mail of Qiuzxeogh {Fly Str+3 Int+3
                  | SInv}
303199 | Zig:24   | Identified the +2 plate armour "Upregoth" {-Tele rPois rC++
                  | SInv}
303210 | Zig:24   | Identified the +3 rapier of Jaobies {flame, Dex+4 Stlth+}
303213 | Zig:24   | Identified the +6 mace of Winter {speed, rC+ rCorr}
303297 | Zig:25   | Entered Level 25 of a ziggurat
303378 | Zig:25   | Noticed an ancient lich
303383 | Zig:25   | Killed an ancient lich
303408 | Zig:25   | Paralysed by a wendigo for 1 turns
303476 | Zig:25   | Paralysed by a wendigo for 1 turns
303506 | Abyss:7  | Entered Level 7 of the Abyss
303506 | Abyss:7  | Found a corrupted altar of Lugonu.
303506 | Abyss:7  | Cast into level 7 of the Abyss (unwielding a weapon of
                  | distortion)
303510 | Abyss:7  | Found a corrupted altar of Lugonu.
303555 | Zig:25   | Escaped the Abyss
303568 | Zig:25   | Paralysed by a wendigo for 1 turns
303731 | Abyss:7  | Entered Level 7 of the Abyss
303731 | Abyss:7  | Cast into level 7 of the Abyss (unwielding a weapon of
                  | distortion)
303772 | Zig:25   | Escaped the Abyss
303879 | Zig:25   | Identified the +3 dagger "Qufeojam" {freeze, rPois rF- rC+}
303882 | Zig:25   | Identified the +5 leather armour of Terror {rF++ Will+
                  | Slay+6}
303892 | Zig:25   | Identified the ring "Vaevylo" {Will+ rCorr Dex+5}
303894 | Zig:25   | Identified the ring of Panentheism {rC+ Str+7}
303920 | Zig:25   | Identified the amulet of the Open Hand {Spirit MP+9}
304610 | Zig:26   | Entered Level 26 of a ziggurat
304661 | Zig:26   | Noticed Hadies the pandemonium lord
304670 | Zig:26   | Identified the +7 morningstar "Beast's Funeral" {elec,
                  | *Rage Int+9}
304672 | Zig:26   | Identified the +2 scale mail "Qayt" {*Slow rCorr Dex+4
                  | Stlth+}
304673 | Zig:26   | Killed Hadies the pandemonium lord
304678 | Zig:26   | Identified the +1 morningstar of Corruption {venom, Int+3}
305437 | Zig:26   | Identified the +7 dagger "Xeekhism" {venom, +Blink SInv
                  | Stlth+}
305448 | Zig:26   | Identified the orb of the Solstice {*channel, rF+ rC+}
305498 | Zig:26   | Identified the +6 great mace "Hunnuj" {flame, rN+ rCorr
                  | Str+4 Int-4}
305527 | Zig:26   | Identified the amulet "Nafadaff" {Faith rElec rPois MP+9
                  | Str-2}
305546 | Zig:26   | Identified the ring of Imocosui {Will- rCorr Slay+2 SInv}
305579 | Zig:26   | Identified the staff of Fortifying Terror {*Corrode rElec
                  | rPois rC- Dex+7 Alchemy}
305581 | Zig:26   | Identified the staff "Trog's Fury" {rF+ rN+ Dex+3 Necro
                  | Ice}
305590 | Zig:26   | Identified the ring "Zafoe" {rPois Will+ Stlth+}
305604 | Zig:26   | Identified the amulet of Miryle {Acrobat Rampage rElec
                  | rF+++ Dex-4}
305610 | Zig:26   | Identified the +5 trident "Qumax" {flame, Dex+5}
305616 | Zig:26   | Identified the +6 trident of Kismet {freeze, rF+}
305618 | Zig:26   | Identified the +1 dagger "Hydrabane" {drain, rC+}
305620 | Zig:26   | Identified the ring of Fotoduul {rF++ rC+}
305672 | Zig:26   | Identified the +9 sling of Yesterday {drain, rElec Str+3}
305676 | Zig:26   | Identified the +8 shortbow "Keorr" {drain, rElec Int+4
                  | Dex-2}
305677 | Zig:26   | Identified the +4 glaive of Disintegration {freeze, rElec}
305840 | Zig:27   | Entered Level 27 of a ziggurat
305990 | Zig:27   | Identified the ring of Hian {rPois rCorr Str-4 SInv Stlth+}
305994 | Zig:27   | Identified the ring of Dim Light {rC+ Will+}
306007 | Zig:27   | Identified the staff of Reqenn {rPois rF+ Alchemy}
306008 | Zig:27   | Identified the ring "Daek" {*Corrode +Blink rElec rN+
                  | Str+6}
306011 | Zig:27   | Identified the +4 battleaxe of the Cursing Queen {vamp,
                  | rPois Str-4 Dex+2}
306013 | Zig:27   | Identified the +6 whip "Conips" {freeze, rPois rC+ Str+2
                  | SInv}
306015 | Zig:27   | Identified the +2 robe "Zuxutor" {+Inv rF+ rC+}
306016 | Zig:27   | Identified the +3 spear of Dawaph {speed, rElec}
306034 | Zig:27   | Identified the +3 leather armour of Gallohou {Stlth+}
306042 | Zig:27   | Identified the +4 sling of Tomorrow {antimagic, rF++}
306044 | Zig:27   | Identified the +5 shortbow of True Grit {drain, MP+9}
306050 | Zig:27   | Identified the +4 orcbow of the Dancing Big Fish {freeze,
                  | MP+9 Dex+4}
306052 | Zig:27   | Identified the +1 ring mail "Cynobb" {Str+2 Dex+3}
306058 | Zig:27   | Identified the +3 rapier of Attainder {spect, rPois}
306066 | Zig:27   | Identified the amulet "Vasir" {Spirit *Corrode Will+ Int+2}
306152 | Zig:27   | Identified the +8 trident of the Hawk {flame, Will++ Str-3
                  | Int+5}
306155 | Zig:27   | Identified the ring "Kupedghei" {rCorr Int+5}
306163 | Zig:27   | Identified the staff "Toisisip" {^Fragile rCorr Dex+3
                  | Earth}
306166 | Zig:27   | Identified the amulet of Yledwo {Spirit rC+ MP+9 Int-5}
306191 | Zig:27   | Identified the +1 pair of gloves of the Hurricane {rCorr
                  | MP+9 Str-5}
306192 | Zig:27   | Identified the +0 robe "Abieskim" {Rampage rN+ Will-
                  | Slay+2}
306196 | Zig:27   | Identified the ring "Xugi" {rElec rN+}
306200 | Zig:27   | Identified the staff "Segoseg" {rPois Will- Int+3 Dex+4
                  | Alchemy}
306721 | Zig:27   | Identified the ring of Rothris {Will- Int+4 Slay+2 SInv}
306811 | Depths:3 | Acquired 633 gold pieces
306949 | Zig:1    | Entered Level 1 of a ziggurat
306949 | Zig:1    | Noticed a juggernaut
306949 | Zig:1    | Noticed a juggernaut
306949 | Zig:1    | Noticed a juggernaut
306949 | Zig:1    | Noticed a juggernaut
306950 | Zig:1    | Killed a juggernaut
306950 | Zig:1    | Killed a juggernaut
306950 | Zig:1    | Killed a juggernaut
306955 | Zig:1    | Killed a juggernaut
306956 | Zig:2    | Entered Level 2 of a ziggurat
306968 | Zig:3    | Entered Level 3 of a ziggurat
306968 | Zig:3    | Noticed Polias the pandemonium lord
306970 | Zig:3    | Killed Polias the pandemonium lord
306986 | Zig:4    | Entered Level 4 of a ziggurat
307000 | Zig:4    | Identified the +11 dire flail of Uskayaw's Indignation
                  | {speed, Dex+2}
307006 | Zig:5    | Entered Level 5 of a ziggurat
307006 | Zig:5    | Noticed an orb of fire
307006 | Zig:5    | Noticed an orb of fire
307006 | Zig:5    | Noticed an orb of fire
307006 | Zig:5    | Noticed an orb of fire
307006 | Zig:5    | Noticed an orb of fire
307006 | Zig:5    | Noticed an orb of fire
307006 | Zig:5    | Noticed an orb of fire
307006 | Zig:5    | Noticed an orb of fire
307006 | Zig:5    | Noticed an orb of fire
307006 | Zig:5    | Noticed an orb of fire
307006 | Zig:5    | Noticed an orb of fire
307006 | Zig:5    | Noticed an orb of fire
307006 | Zig:5    | Noticed an orb of fire
307006 | Zig:5    | Noticed an orb of fire
307006 | Zig:5    | Noticed an orb of fire
307006 | Zig:5    | Noticed an orb of fire
307006 | Zig:5    | Noticed an orb of fire
307006 | Zig:5    | Noticed an orb of fire
307006 | Zig:5    | Noticed an orb of fire
307006 | Zig:5    | Noticed an orb of fire
307006 | Zig:5    | Noticed an orb of fire
307006 | Zig:5    | Noticed an orb of fire
307006 | Zig:5    | Noticed an orb of fire
307006 | Zig:5    | Noticed an orb of fire
307008 | Zig:5    | Killed an orb of fire
307008 | Zig:5    | Killed an orb of fire
307008 | Zig:5    | Noticed an orb of fire
307010 | Zig:5    | Noticed an orb of fire
307010 | Zig:5    | Killed an orb of fire
307010 | Zig:5    | Killed an orb of fire
307010 | Zig:5    | Killed an orb of fire
307010 | Zig:5    | Killed an orb of fire
307011 | Zig:5    | Killed an orb of fire
307011 | Zig:5    | Killed an orb of fire
307011 | Zig:5    | Killed an orb of fire
307011 | Zig:5    | Killed an orb of fire
307011 | Zig:5    | Killed an orb of fire
307011 | Zig:5    | Killed an orb of fire
307011 | Zig:5    | Noticed an orb of fire
307012 | Zig:5    | Noticed an orb of fire
307012 | Zig:5    | Noticed an orb of fire
307012 | Zig:5    | Noticed an orb of fire
307013 | Zig:5    | Killed an orb of fire
307013 | Zig:5    | Killed an orb of fire
307013 | Zig:5    | Killed an orb of fire
307013 | Zig:5    | Killed an orb of fire
307013 | Zig:5    | Killed an orb of fire
307013 | Zig:5    | Killed an orb of fire
307013 | Zig:5    | Killed an orb of fire
307013 | Zig:5    | Killed an orb of fire
307014 | Zig:5    | Noticed an orb of fire
307015 | Zig:5    | Killed an orb of fire
307015 | Zig:5    | Killed an orb of fire
307015 | Zig:5    | Killed an orb of fire
307015 | Zig:5    | Killed an orb of fire
307015 | Zig:5    | Killed an orb of fire
307015 | Zig:5    | Killed an orb of fire
307018 | Zig:5    | Killed an orb of fire
307018 | Zig:5    | Killed an orb of fire
307021 | Zig:5    | Killed an orb of fire
307023 | Zig:5    | Killed an orb of fire
307024 | Zig:5    | Killed an orb of fire
307077 | Zig:5    | Identified the ring "Ynloatei" {Wiz rF- Int+3 SInv}
307081 | Zig:5    | Identified the +1 plate armour of Grottiness {rPois rCorr
                  | Int+4}
307251 | Zig:6    | Entered Level 6 of a ziggurat
307431 | Zig:6    | Identified the +6 scale mail of the Forgotten Wars {Regen+}
307554 | Zig:7    | Entered Level 7 of a ziggurat
307578 | Zig:8    | Entered Level 8 of a ziggurat
307798 | Zig:8    | Identified the +5 scale mail of Tunuapox {Str-3 Slay+4}
307925 | Zig:9    | Entered Level 9 of a ziggurat
307925 | Zig:9    | Noticed an ancient lich
307925 | Zig:9    | Noticed a dread lich
307925 | Zig:9    | Noticed a dread lich
307925 | Zig:9    | Noticed a dread lich
307925 | Zig:9    | Noticed a dread lich
307925 | Zig:9    | Noticed a dread lich
307925 | Zig:9    | Noticed a dread lich
307925 | Zig:9    | Noticed an ancient lich
307925 | Zig:9    | Noticed an ancient lich
307925 | Zig:9    | Noticed an ancient lich
307925 | Zig:9    | Noticed a dread lich
307925 | Zig:9    | Noticed an ancient lich
307925 | Zig:9    | Noticed a dread lich
307925 | Zig:9    | Noticed a dread lich
307925 | Zig:9    | Noticed an ancient lich
307925 | Zig:9    | Noticed an ancient lich
307925 | Zig:9    | Noticed a dread lich
307925 | Zig:9    | Noticed an ancient lich
307925 | Zig:9    | Noticed a dread lich
307925 | Zig:9    | Noticed a dread lich
307925 | Zig:9    | Noticed an ancient lich
307925 | Zig:9    | Noticed an ancient lich
307925 | Zig:9    | Noticed an ancient lich
307925 | Zig:9    | Noticed an ancient lich
307925 | Zig:9    | Noticed an ancient lich
307926 | Zig:9    | Killed a dread lich
307926 | Zig:9    | Killed a dread lich
307926 | Zig:9    | Killed a dread lich
307926 | Zig:9    | Killed a dread lich
307926 | Zig:9    | Killed a dread lich
307926 | Zig:9    | Killed an ancient lich
307926 | Zig:9    | Killed a dread lich
307926 | Zig:9    | Killed a dread lich
307926 | Zig:9    | Killed an ancient lich
307926 | Zig:9    | Killed a dread lich
307926 | Zig:9    | Killed an ancient lich
307926 | Zig:9    | Killed an ancient lich
307926 | Zig:9    | Killed an ancient lich
307928 | Zig:9    | Noticed a dread lich
307928 | Zig:9    | Noticed an ancient lich
307928 | Zig:9    | Killed a dread lich
307929 | Zig:9    | Killed a dread lich
307930 | Zig:9    | Killed an ancient lich
307930 | Zig:9    | Killed an ancient lich
307930 | Zig:9    | Killed an ancient lich
307930 | Zig:9    | Killed a dread lich
307930 | Zig:9    | Killed a dread lich
307930 | Zig:9    | Killed an ancient lich
307930 | Zig:9    | Killed an ancient lich
307930 | Zig:9    | Killed an ancient lich
307930 | Zig:9    | Killed an ancient lich
307930 | Zig:9    | Killed an ancient lich
307930 | Zig:9    | Killed an ancient lich
307930 | Zig:9    | Noticed an ancient lich
307931 | Zig:9    | Noticed an ancient lich
307931 | Zig:9    | Noticed an ancient lich
307931 | Zig:9    | Noticed an ancient lich
307932 | Zig:9    | Noticed an ancient lich
307932 | Zig:9    | Noticed a dread lich
307933 | Zig:9    | Noticed an ancient lich
307934 | Zig:9    | Noticed an ancient lich
307934 | Zig:9    | Noticed a dread lich
307934 | Zig:9    | Noticed an ancient lich
307934 | Zig:9    | Noticed an ancient lich
307935 | Zig:9    | Noticed a dread lich
307935 | Zig:9    | Noticed a dread lich
307935 | Zig:9    | Noticed a dread lich
307936 | Zig:9    | Noticed an ancient lich
307936 | Zig:9    | Killed an ancient lich
307936 | Zig:9    | Killed a dread lich
307936 | Zig:9    | Killed an ancient lich
307936 | Zig:9    | Killed an ancient lich
307936 | Zig:9    | Killed a dread lich
307936 | Zig:9    | Killed an ancient lich
307936 | Zig:9    | Killed an ancient lich
307936 | Zig:9    | Killed a dread lich
307937 | Zig:9    | Noticed a dread lich
307937 | Zig:9    | Noticed an ancient lich
307937 | Zig:9    | Noticed a dread lich
307938 | Zig:9    | Killed an ancient lich
307939 | Zig:9    | Killed an ancient lich
307939 | Zig:9    | Killed a dread lich
307939 | Zig:9    | Killed an ancient lich
307939 | Zig:9    | Killed a dread lich
307939 | Zig:9    | Killed an ancient lich
307939 | Zig:9    | Killed an ancient lich
307939 | Zig:9    | Killed a dread lich
307939 | Zig:9    | Killed a dread lich
307939 | Zig:9    | Killed an ancient lich
307941 | Zig:9    | Killed a dread lich
307956 | Zig:10   | Entered Level 10 of a ziggurat
307993 | Zig:11   | Entered Level 11 of a ziggurat
308194 | Zig:11   | Identified the amulet of Vudgh {Acrobat Rampage Int-2
                  | Stlth+}
308209 | Zig:11   | Identified the +4 quarterstaff "Guqoutz" {freeze, *Noise
                  | Dex+3 SInv}
308544 | Zig:12   | Entered Level 12 of a ziggurat
308568 | Zig:12   | Identified the +6 whip "Atiyg" {heavy, rF+ rCorr Str+4
                  | Dex-4}
308960 | Zig:12   | Identified the staff "Giantslayer" {*Slow rN+++ Str-2 Int+5
                  | Earth}
309016 | Zig:12   | Identified the +0 mace of Innocence {heavy, rPois rN+++
                  | Dex+2}
309026 | Zig:12   | Identified the ring of Seheell {Str+2 Int+6}
309028 | Zig:12   | Identified the ring of Vodka {Fly rC+ rCorr Dex-4}
309032 | Zig:12   | Identified the +0 quarterstaff of Accord {flame, rC++}
309042 | Zig:12   | Identified the +1 leather armour "Itwaur" {Dex+4}
309049 | Zig:12   | Identified the +1 leather armour of Hedging {Str+3}
309129 | Zig:13   | Entered Level 13 of a ziggurat
309194 | Zig:13   | Identified the +0 helmet "Cuirary" {rPois rF+ Int+5 Stlth-}
309306 | Zig:13   | Identified the amulet "Jewutum" {Acrobat ^Fragile Regen+
                  | Dex+3}
309338 | Zig:13   | Identified the +7 sling of Action {drain, rElec Will+}
309820 | Zig:14   | Entered Level 14 of a ziggurat
309820 | Zig:14   | Noticed an ancient lich
309820 | Zig:14   | Noticed a dread lich
309820 | Zig:14   | Noticed a dread lich
309820 | Zig:14   | Noticed an ancient lich
309820 | Zig:14   | Noticed a dread lich
309820 | Zig:14   | Noticed an ancient lich
309820 | Zig:14   | Noticed an ancient lich
309821 | Zig:14   | Noticed a dread lich
309821 | Zig:14   | Noticed a dread lich
309822 | Zig:14   | Killed an ancient lich
309822 | Zig:14   | Killed a dread lich
309822 | Zig:14   | Killed a dread lich
309822 | Zig:14   | Killed a dread lich
309822 | Zig:14   | Noticed a dread lich
309822 | Zig:14   | Noticed a dread lich
309823 | Zig:14   | Noticed an ancient lich
309823 | Zig:14   | Noticed an ancient lich
309823 | Zig:14   | Noticed an ancient lich
309823 | Zig:14   | Noticed a dread lich
309823 | Zig:14   | Noticed an ancient lich
309823 | Zig:14   | Noticed an ancient lich
309824 | Zig:14   | Noticed a dread lich
309824 | Zig:14   | Noticed a dread lich
309824 | Zig:14   | Noticed a dread lich
309824 | Zig:14   | Noticed an ancient lich
309825 | Zig:14   | Noticed a dread lich
309825 | Zig:14   | Killed an ancient lich
309825 | Zig:14   | Killed an ancient lich
309825 | Zig:14   | Killed a dread lich
309825 | Zig:14   | Killed a dread lich
309825 | Zig:14   | Killed an ancient lich
309825 | Zig:14   | Killed a dread lich
309825 | Zig:14   | Killed a dread lich
309826 | Zig:14   | Noticed an ancient lich
309826 | Zig:14   | Noticed an ancient lich
309826 | Zig:14   | Noticed a dread lich
309826 | Zig:14   | Noticed a dread lich
309826 | Zig:14   | Noticed a dread lich
309827 | Zig:14   | Noticed a dread lich
309827 | Zig:14   | Noticed an ancient lich
309827 | Zig:14   | Noticed a dread lich
309827 | Zig:14   | Noticed a dread lich
309827 | Zig:14   | Noticed an ancient lich
309827 | Zig:14   | Killed an ancient lich
309828 | Zig:14   | Killed an ancient lich
309828 | Zig:14   | Killed a dread lich
309828 | Zig:14   | Killed a dread lich
309828 | Zig:14   | Killed a dread lich
309828 | Zig:14   | Killed a dread lich
309828 | Zig:14   | Killed a dread lich
309828 | Zig:14   | Killed an ancient lich
309828 | Zig:14   | Killed an ancient lich
309828 | Zig:14   | Killed a dread lich
309828 | Zig:14   | Killed an ancient lich
309828 | Zig:14   | Killed a dread lich
309828 | Zig:14   | Noticed an ancient lich
309829 | Zig:14   | Noticed an ancient lich
309829 | Zig:14   | Noticed a dread lich
309829 | Zig:14   | Noticed an ancient lich
309829 | Zig:14   | Noticed an ancient lich
309829 | Zig:14   | Noticed an ancient lich
309829 | Zig:14   | Noticed a dread lich
309830 | Zig:14   | Noticed a dread lich
309830 | Zig:14   | Noticed an ancient lich
309830 | Zig:14   | Killed a dread lich
309831 | Zig:14   | Killed a dread lich
309831 | Zig:14   | Killed an ancient lich
309831 | Zig:14   | Killed an ancient lich
309831 | Zig:14   | Killed a dread lich
309831 | Zig:14   | Killed an ancient lich
309831 | Zig:14   | Killed an ancient lich
309831 | Zig:14   | Killed an ancient lich
309831 | Zig:14   | Killed a dread lich
309831 | Zig:14   | Killed an ancient lich
309832 | Zig:14   | Noticed a dread lich
309832 | Zig:14   | Noticed a dread lich
309832 | Zig:14   | Noticed an ancient lich
309833 | Zig:14   | Noticed an ancient lich
309833 | Zig:14   | Killed an ancient lich
309834 | Zig:14   | Killed a dread lich
309834 | Zig:14   | Killed an ancient lich
309834 | Zig:14   | Killed an ancient lich
309834 | Zig:14   | Killed an ancient lich
309834 | Zig:14   | Killed a dread lich
309834 | Zig:14   | Killed a dread lich
309834 | Zig:14   | Noticed an ancient lich
309834 | Zig:14   | Killed an ancient lich
309835 | Zig:14   | Noticed a dread lich
309835 | Zig:14   | Noticed an ancient lich
309835 | Zig:14   | Noticed a dread lich
309835 | Zig:14   | Noticed a dread lich
309836 | Zig:14   | Noticed a dread lich
309836 | Zig:14   | Noticed a dread lich
309836 | Zig:14   | Noticed an ancient lich
309836 | Zig:14   | Killed an ancient lich
309837 | Zig:14   | Killed a dread lich
309837 | Zig:14   | Killed a dread lich
309837 | Zig:14   | Killed an ancient lich
309837 | Zig:14   | Killed an ancient lich
309837 | Zig:14   | Killed a dread lich
309837 | Zig:14   | Killed an ancient lich
309838 | Zig:14   | Noticed an ancient lich
309838 | Zig:14   | Noticed a dread lich
309838 | Zig:14   | Noticed an ancient lich
309838 | Zig:14   | Noticed an ancient lich
309839 | Zig:14   | Noticed an ancient lich
309839 | Zig:14   | Noticed an ancient lich
309839 | Zig:14   | Noticed a dread lich
309839 | Zig:14   | Noticed an ancient lich
309839 | Zig:14   | Noticed an ancient lich
309839 | Zig:14   | Killed a dread lich
309839 | Zig:14   | Killed a dread lich
309840 | Zig:14   | Killed an ancient lich
309840 | Zig:14   | Killed an ancient lich
309840 | Zig:14   | Killed a dread lich
309840 | Zig:14   | Noticed an ancient lich
309840 | Zig:14   | Killed a dread lich
309841 | Zig:14   | Noticed a dread lich
309841 | Zig:14   | Noticed a dread lich
309841 | Zig:14   | Noticed a dread lich
309842 | Zig:14   | Noticed a dread lich
309842 | Zig:14   | Killed an ancient lich
309843 | Zig:14   | Killed an ancient lich
309843 | Zig:14   | Killed an ancient lich
309843 | Zig:14   | Killed an ancient lich
309843 | Zig:14   | Killed a dread lich
309843 | Zig:14   | Killed an ancient lich
309843 | Zig:14   | Killed a dread lich
309843 | Zig:14   | Noticed a dread lich
309844 | Zig:14   | Noticed a dread lich
309844 | Zig:14   | Noticed a dread lich
309845 | Zig:14   | Killed a dread lich
309846 | Zig:14   | Killed a dread lich
309846 | Zig:14   | Killed an ancient lich
309846 | Zig:14   | Killed a dread lich
309848 | Zig:14   | Killed a dread lich
309849 | Zig:14   | Killed a dread lich
309850 | Zig:14   | Killed a dread lich
309850 | Zig:14   | Killed a dread lich
309854 | Zig:14   | Killed an ancient lich
310288 | Zig:14   | Identified the +6 war axe "Jerphigrog" {spect, Will+}
310308 | Zig:14   | Identified the +1 robe of Action {Str+3}
310349 | Zig:14   | Identified the +0 leather armour "Xubifiuj" {rElec rF++}
310432 | Zig:15   | Entered Level 15 of a ziggurat
310504 | Zig:15   | Identified the +2 quarterstaff "Geraloma" {flame, rN+++
                  | Will- SInv Stlth+}
310518 | Zig:15   | Identified the +2 pair of boots of Ceibel {rElec Str+3}
310529 | Zig:15   | Identified the +1 flail "Fevvif" {venom, rElec rF- rC+++
                  | Stlth-}
310530 | Zig:15   | Identified the ring "Tizor" {Fire Will+ Str+4 SInv}
310629 | Zig:15   | Identified the staff "Demon's Bane" {rC++ Conj}
310638 | Zig:15   | Identified the +1 ring mail of the Ditch-Digger {rPois
                  | Dex+3}
311112 | Zig:16   | Entered Level 16 of a ziggurat
311112 | Zig:16   | Noticed an ancient lich
311112 | Zig:16   | Noticed an ancient lich
311114 | Zig:16   | Noticed an ancient lich
311116 | Zig:16   | Killed an ancient lich
311118 | Zig:16   | Noticed an ancient lich
311118 | Zig:16   | Killed an ancient lich
311118 | Zig:16   | Killed an ancient lich
311119 | Zig:16   | Noticed an ancient lich
311119 | Zig:16   | Killed an ancient lich
311119 | Zig:16   | Killed an ancient lich
311121 | Zig:16   | Noticed an ancient lich
311121 | Zig:16   | Noticed an ancient lich
311121 | Zig:16   | Noticed an ancient lich
311121 | Zig:16   | Noticed an ancient lich
311122 | Zig:16   | Killed an ancient lich
311123 | Zig:16   | Killed an ancient lich
311123 | Zig:16   | Killed an ancient lich
311123 | Zig:16   | Killed an ancient lich
311124 | Zig:16   | Noticed an ancient lich
311125 | Zig:16   | Noticed an ancient lich
311126 | Zig:16   | Killed an ancient lich
311127 | Zig:16   | Noticed an ancient lich
311127 | Zig:16   | Noticed an ancient lich
311131 | Zig:16   | Noticed an ancient lich
311131 | Zig:16   | Noticed an ancient lich
311132 | Zig:16   | Killed an ancient lich
311132 | Zig:16   | Killed an ancient lich
311132 | Zig:16   | Killed an ancient lich
311132 | Zig:16   | Killed an ancient lich
311133 | Zig:16   | Killed an ancient lich
311135 | Zig:16   | Noticed an ancient lich
311135 | Zig:16   | Noticed an ancient lich
311135 | Zig:16   | Noticed an ancient lich
311136 | Zig:16   | Noticed an ancient lich
311137 | Zig:16   | Noticed an ancient lich
311138 | Zig:16   | Noticed an ancient lich
311139 | Zig:16   | Killed an ancient lich
311139 | Zig:16   | Killed an ancient lich
311139 | Zig:16   | Killed an ancient lich
311142 | Zig:16   | Killed an ancient lich
311142 | Zig:16   | Killed an ancient lich
311142 | Zig:16   | Killed an ancient lich
311147 | Zig:16   | Noticed an ancient lich
311151 | Zig:16   | Killed an ancient lich
311631 | Zig:16   | Identified the amulet "Voimyxot" {Spirit -Tele rPois Int+2}
311633 | Zig:16   | Identified the +5 scale mail of Fobiunoc {*Corrode rElec
                  | Will+ Str+3}
311637 | Zig:16   | Identified the +0 dagger of Voarimod {holy, rElec rC-
                  | Stlth+}
311692 | Zig:16   | Identified the amulet "Rostro" {Faith ^Fragile rC+ rCorr
                  | Stlth+}
311694 | Zig:16   | Identified the +1 robe of Pandemonium {Harm rC- rN+ Regen+}
311696 | Zig:16   | Identified the staff of Opaq {rC+ Will+ Ice}
311698 | Zig:16   | Identified the +2 leather armour of the Pink Corner {rF-
                  | rN+ rCorr Int+3}
311700 | Zig:16   | Identified the +4 short sword of Implojin's Death {freeze,
                  | Int+5}
311701 | Zig:16   | Identified the +2 ring mail of Unreason {rCorr Dex-3
                  | Slay+2}
311719 | Zig:16   | Identified the +0 chain mail of Aczae {Int+4}
311721 | Zig:16   | Identified the +0 helmet of the Evening {Fly rC- Int+5}
311729 | Zig:16   | Identified the +7 battleaxe "Impslayer" {flame, rElec}
311740 | Zig:16   | Identified the +0 robe of the Farrier {Harm Fly rCorr
                  | Str-3}
311754 | Zig:16   | Identified the +4 shadow dragon scales of Apathy {Dex+2
                  | Stlth++++}
311759 | Zig:16   | Identified the +0 chain mail of Eternity {rPois Int+3
                  | Stlth+}
311764 | Zig:16   | Identified the amulet of Deussie {Reflect Str+3 Dex+4 SH+5}
311768 | Zig:16   | Identified the +8 sling of the Holding Fulmar {heavy, rC+}
311770 | Zig:16   | Identified the +12 halberd of Obiter Dictum {antimagic,
                  | Dex+3}
311859 | Zig:17   | Entered Level 17 of a ziggurat
311859 | Zig:17   | Noticed a juggernaut
311859 | Zig:17   | Noticed a juggernaut
311859 | Zig:17   | Noticed a juggernaut
311859 | Zig:17   | Noticed a juggernaut
311859 | Zig:17   | Noticed a juggernaut
311859 | Zig:17   | Noticed a juggernaut
311859 | Zig:17   | Noticed a juggernaut
311859 | Zig:17   | Noticed a juggernaut
311859 | Zig:17   | Noticed a juggernaut
311859 | Zig:17   | Noticed a juggernaut
311859 | Zig:17   | Noticed a juggernaut
311859 | Zig:17   | Noticed a juggernaut
311859 | Zig:17   | Noticed a juggernaut
311859 | Zig:17   | Noticed a juggernaut
311859 | Zig:17   | Noticed a juggernaut
311859 | Zig:17   | Noticed a juggernaut
311859 | Zig:17   | Noticed a juggernaut
311860 | Zig:17   | Killed a juggernaut
311860 | Zig:17   | Killed a juggernaut
311860 | Zig:17   | Killed a juggernaut
311860 | Zig:17   | Killed a juggernaut
311860 | Zig:17   | Killed a juggernaut
311860 | Zig:17   | Killed a juggernaut
311860 | Zig:17   | Killed a juggernaut
311860 | Zig:17   | Killed a juggernaut
311860 | Zig:17   | Killed a juggernaut
311860 | Zig:17   | Killed a juggernaut
311860 | Zig:17   | Killed a juggernaut
311860 | Zig:17   | Killed a juggernaut
311860 | Zig:17   | Killed a juggernaut
311862 | Zig:17   | Noticed a juggernaut
311862 | Zig:17   | Noticed a juggernaut
311863 | Zig:17   | Noticed a juggernaut
311863 | Zig:17   | Noticed a juggernaut
311863 | Zig:17   | Noticed a juggernaut
311864 | Zig:17   | Noticed a juggernaut
311864 | Zig:17   | Noticed a juggernaut
311864 | Zig:17   | Noticed a juggernaut
311864 | Zig:17   | Noticed a juggernaut
311865 | Zig:17   | Noticed a juggernaut
311865 | Zig:17   | Killed a juggernaut
311865 | Zig:17   | Killed a juggernaut
311865 | Zig:17   | Killed a juggernaut
311865 | Zig:17   | Killed a juggernaut
311865 | Zig:17   | Killed a juggernaut
311865 | Zig:17   | Killed a juggernaut
311866 | Zig:17   | Noticed a juggernaut
311866 | Zig:17   | Noticed a juggernaut
311867 | Zig:17   | Noticed a juggernaut
311867 | Zig:17   | Noticed a juggernaut
311868 | Zig:17   | Killed a juggernaut
311868 | Zig:17   | Killed a juggernaut
311868 | Zig:17   | Killed a juggernaut
311868 | Zig:17   | Killed a juggernaut
311868 | Zig:17   | Killed a juggernaut
311869 | Zig:17   | Noticed a juggernaut
311869 | Zig:17   | Killed a juggernaut
311870 | Zig:17   | Noticed a juggernaut
311870 | Zig:17   | Noticed a juggernaut
311870 | Zig:17   | Noticed a juggernaut
311870 | Zig:17   | Noticed a juggernaut
311870 | Zig:17   | Killed a juggernaut
311871 | Zig:17   | Killed a juggernaut
311871 | Zig:17   | Killed a juggernaut
311871 | Zig:17   | Killed a juggernaut
311871 | Zig:17   | Killed a juggernaut
311871 | Zig:17   | Killed a juggernaut
311871 | Zig:17   | Noticed a juggernaut
311872 | Zig:17   | Noticed a juggernaut
311873 | Zig:17   | Noticed a juggernaut
311873 | Zig:17   | Noticed a juggernaut
311873 | Zig:17   | Noticed a juggernaut
311874 | Zig:17   | Killed a juggernaut
311876 | Zig:17   | Noticed a juggernaut
311876 | Zig:17   | Noticed a juggernaut
311876 | Zig:17   | Noticed a juggernaut
311876 | Zig:17   | Noticed a juggernaut
311876 | Zig:17   | Noticed a juggernaut
311876 | Zig:17   | Killed a juggernaut
311877 | Zig:17   | Killed a juggernaut
311877 | Zig:17   | Killed a juggernaut
311877 | Zig:17   | Killed a juggernaut
311877 | Zig:17   | Killed a juggernaut
311877 | Zig:17   | Killed a juggernaut
311877 | Zig:17   | Killed a juggernaut
311877 | Zig:17   | Killed a juggernaut
311877 | Zig:17   | Killed a juggernaut
311878 | Zig:17   | Noticed a juggernaut
311878 | Zig:17   | Noticed a juggernaut
311879 | Zig:17   | Noticed a juggernaut
311880 | Zig:17   | Killed a juggernaut
311880 | Zig:17   | Killed a juggernaut
311882 | Zig:17   | Noticed a juggernaut
311883 | Zig:17   | Noticed a juggernaut
311884 | Zig:17   | Noticed a juggernaut
311886 | Zig:17   | Killed a juggernaut
311886 | Zig:17   | Killed a juggernaut
311886 | Zig:17   | Killed a juggernaut
311886 | Zig:17   | Killed a juggernaut
311886 | Zig:17   | Killed a juggernaut
311887 | Zig:17   | Killed a juggernaut
311887 | Zig:17   | Killed a juggernaut
311887 | Zig:17   | Killed a juggernaut
311887 | Zig:17   | Noticed a juggernaut
311893 | Zig:17   | Killed a juggernaut
311894 | Zig:17   | Killed a juggernaut
311895 | Zig:17   | Noticed a juggernaut
311897 | Zig:17   | Killed a juggernaut
311904 | Zig:17   | Noticed a juggernaut
311911 | Zig:17   | Killed a juggernaut
311996 | Zig:17   | Identified the +7 scimitar of Broken Luck {pain, Dex+2
                  | SInv}
312014 | Zig:17   | Identified the +2 rapier "Fel Repp" {drain, rF+ rN+ Str-2
                  | Dex+3}
312021 | Zig:17   | Identified the staff "Byonewk" {rPois rC+ Int+2 Ice}
312057 | Zig:17   | Identified the staff of War {*Slow rElec rN++ Tloc Earth}
312071 | Zig:17   | Identified the +10 hand axe of the Dead {heavy, Fly Dex+2
                  | SInv}
312089 | Zig:17   | Identified the +0 arbalest of Oozing Pus {elec, SInv}
312091 | Zig:17   | Identified the +1 rapier of Blood-Lust {venom, Will+}
312102 | Zig:17   | Identified the +3 lajatang of Ledip Jusk {spect, rF+ Str-4
                  | Stlth+}
312112 | Zig:17   | Identified the +3 sling "Willaze" {antimagic, Will+ Int+2}
312186 | Zig:17   | Identified the +3 scale mail "Ysociu" {Int+3}
312706 | Zig:18   | Entered Level 18 of a ziggurat
312706 | Zig:18   | Noticed a dread lich
312706 | Zig:18   | Noticed an ancient lich
312706 | Zig:18   | Noticed an ancient lich
312707 | Zig:18   | Noticed an ancient lich
312708 | Zig:18   | Noticed a dread lich
312708 | Zig:18   | Noticed a dread lich
312710 | Zig:18   | Noticed a dread lich
312710 | Zig:18   | Noticed a dread lich
312710 | Zig:18   | Noticed a dread lich
312711 | Zig:18   | Noticed a dread lich
312711 | Zig:18   | Noticed an ancient lich
312711 | Zig:18   | Noticed a dread lich
312712 | Zig:18   | Noticed a dread lich
312712 | Zig:18   | Noticed an ancient lich
312712 | Zig:18   | Noticed an ancient lich
312712 | Zig:18   | Killed a dread lich
312712 | Zig:18   | Killed a dread lich
312712 | Zig:18   | Killed a dread lich
312712 | Zig:18   | Killed an ancient lich
312712 | Zig:18   | Killed an ancient lich
312713 | Zig:18   | Killed a dread lich
312713 | Zig:18   | Killed an ancient lich
312713 | Zig:18   | Killed a dread lich
312713 | Zig:18   | Killed an ancient lich
312713 | Zig:18   | Killed a dread lich
312713 | Zig:18   | Killed a dread lich
312713 | Zig:18   | Killed a dread lich
312713 | Zig:18   | Killed an ancient lich
312713 | Zig:18   | Noticed an ancient lich
312714 | Zig:18   | Noticed an ancient lich
312714 | Zig:18   | Noticed an ancient lich
312714 | Zig:18   | Noticed an ancient lich
312714 | Zig:18   | Noticed a dread lich
312714 | Zig:18   | Noticed a dread lich
312714 | Zig:18   | Noticed a dread lich
312714 | Zig:18   | Noticed a dread lich
312714 | Zig:18   | Noticed an ancient lich
312715 | Zig:18   | Noticed a dread lich
312715 | Zig:18   | Noticed a dread lich
312715 | Zig:18   | Noticed an ancient lich
312715 | Zig:18   | Noticed an ancient lich
312715 | Zig:18   | Noticed an ancient lich
312715 | Zig:18   | Noticed an ancient lich
312715 | Zig:18   | Noticed an ancient lich
312716 | Zig:18   | Noticed an ancient lich
312716 | Zig:18   | Killed an ancient lich
312716 | Zig:18   | Killed a dread lich
312716 | Zig:18   | Killed a dread lich
312716 | Zig:18   | Killed an ancient lich
312716 | Zig:18   | Killed a dread lich
312716 | Zig:18   | Killed an ancient lich
312716 | Zig:18   | Killed an ancient lich
312716 | Zig:18   | Killed a dread lich
312716 | Zig:18   | Killed an ancient lich
312716 | Zig:18   | Killed an ancient lich
312716 | Zig:18   | Killed an ancient lich
312716 | Zig:18   | Killed an ancient lich
312716 | Zig:18   | Noticed a dread lich
312717 | Zig:18   | Noticed an ancient lich
312717 | Zig:18   | Noticed an ancient lich
312717 | Zig:18   | Noticed a dread lich
312717 | Zig:18   | Noticed an ancient lich
312717 | Zig:18   | Noticed a dread lich
312718 | Zig:18   | Noticed an ancient lich
312718 | Zig:18   | Noticed a dread lich
312718 | Zig:18   | Noticed a dread lich
312718 | Zig:18   | Noticed a dread lich
312718 | Zig:18   | Noticed a dread lich
312718 | Zig:18   | Noticed a dread lich
312718 | Zig:18   | Noticed an ancient lich
312718 | Zig:18   | Noticed a dread lich
312718 | Zig:18   | Noticed an ancient lich
312718 | Zig:18   | Noticed a dread lich
312719 | Zig:18   | Killed an ancient lich
312719 | Zig:18   | Killed an ancient lich
312719 | Zig:18   | Killed a dread lich
312719 | Zig:18   | Killed an ancient lich
312719 | Zig:18   | Killed an ancient lich
312719 | Zig:18   | Killed a dread lich
312719 | Zig:18   | Noticed an ancient lich
312720 | Zig:18   | Noticed a dread lich
312720 | Zig:18   | Noticed a dread lich
312720 | Zig:18   | Noticed a dread lich
312720 | Zig:18   | Noticed a dread lich
312720 | Zig:18   | Noticed an ancient lich
312720 | Zig:18   | Noticed an ancient lich
312720 | Zig:18   | Killed a dread lich
312720 | Zig:18   | Noticed a dread lich
312721 | Zig:18   | Killed an ancient lich
312722 | Zig:18   | Killed an ancient lich
312722 | Zig:18   | Killed a dread lich
312722 | Zig:18   | Killed an ancient lich
312722 | Zig:18   | Killed an ancient lich
312722 | Zig:18   | Killed a dread lich
312722 | Zig:18   | Killed a dread lich
312722 | Zig:18   | Killed a dread lich
312722 | Zig:18   | Killed a dread lich
312722 | Zig:18   | Killed a dread lich
312722 | Zig:18   | Killed a dread lich
312722 | Zig:18   | Killed an ancient lich
312722 | Zig:18   | Killed an ancient lich
312722 | Zig:18   | Killed a dread lich
312722 | Zig:18   | Killed an ancient lich
312722 | Zig:18   | Killed an ancient lich
312722 | Zig:18   | Killed a dread lich
312722 | Zig:18   | Killed a dread lich
312722 | Zig:18   | Noticed an ancient lich
312722 | Zig:18   | Noticed a dread lich
312722 | Zig:18   | Noticed a dread lich
312722 | Zig:18   | Noticed a dread lich
312722 | Zig:18   | Noticed a dread lich
312723 | Zig:18   | Noticed an ancient lich
312723 | Zig:18   | Noticed a dread lich
312723 | Zig:18   | Noticed an ancient lich
312723 | Zig:18   | Noticed a dread lich
312723 | Zig:18   | Noticed a dread lich
312723 | Zig:18   | Noticed an ancient lich
312723 | Zig:18   | Noticed a dread lich
312723 | Zig:18   | Noticed an ancient lich
312723 | Zig:18   | Killed a dread lich
312723 | Zig:18   | Noticed a dread lich
312723 | Zig:18   | Noticed an ancient lich
312724 | Zig:18   | Killed a dread lich
312724 | Zig:18   | Killed an ancient lich
312724 | Zig:18   | Killed a dread lich
312724 | Zig:18   | Killed a dread lich
312724 | Zig:18   | Killed a dread lich
312724 | Zig:18   | Killed a dread lich
312724 | Zig:18   | Killed an ancient lich
312724 | Zig:18   | Killed an ancient lich
312724 | Zig:18   | Killed a dread lich
312724 | Zig:18   | Killed an ancient lich
312724 | Zig:18   | Killed an ancient lich
312724 | Zig:18   | Killed a dread lich
312724 | Zig:18   | Killed an ancient lich
312724 | Zig:18   | Killed a dread lich
312724 | Zig:18   | Killed a dread lich
312725 | Zig:18   | Noticed an ancient lich
312725 | Zig:18   | Noticed a dread lich
312725 | Zig:18   | Noticed a dread lich
312726 | Zig:18   | Noticed an ancient lich
312726 | Zig:18   | Noticed a dread lich
312726 | Zig:18   | Noticed an ancient lich
312726 | Zig:18   | Noticed a dread lich
312726 | Zig:18   | Noticed a dread lich
312726 | Zig:18   | Noticed an ancient lich
312726 | Zig:18   | Noticed a dread lich
312727 | Zig:18   | Killed an ancient lich
312727 | Zig:18   | Killed a dread lich
312727 | Zig:18   | Killed a dread lich
312727 | Zig:18   | Killed a dread lich
312727 | Zig:18   | Killed an ancient lich
312727 | Zig:18   | Killed a dread lich
312727 | Zig:18   | Killed a dread lich
312727 | Zig:18   | Killed an ancient lich
312727 | Zig:18   | Killed a dread lich
312727 | Zig:18   | Noticed a dread lich
312727 | Zig:18   | Noticed a dread lich
312727 | Zig:18   | Noticed an ancient lich
312727 | Zig:18   | Noticed a dread lich
312728 | Zig:18   | Noticed a dread lich
312728 | Zig:18   | Noticed a dread lich
312728 | Zig:18   | Noticed a dread lich
312728 | Zig:18   | Noticed an ancient lich
312729 | Zig:18   | Noticed a dread lich
312729 | Zig:18   | Noticed a dread lich
312729 | Zig:18   | Noticed an ancient lich
312729 | Zig:18   | Noticed an ancient lich
312729 | Zig:18   | Noticed an ancient lich
312729 | Zig:18   | Killed an ancient lich
312729 | Zig:18   | Noticed an ancient lich
312729 | Zig:18   | Noticed an ancient lich
312730 | Zig:18   | Noticed a dread lich
312730 | Zig:18   | Noticed an ancient lich
312730 | Zig:18   | Killed an ancient lich
312730 | Zig:18   | Killed a dread lich
312730 | Zig:18   | Killed a dread lich
312730 | Zig:18   | Killed an ancient lich
312730 | Zig:18   | Killed a dread lich
312730 | Zig:18   | Killed a dread lich
312730 | Zig:18   | Killed an ancient lich
312730 | Zig:18   | Killed a dread lich
312730 | Zig:18   | Killed an ancient lich
312730 | Zig:18   | Killed an ancient lich
312731 | Zig:18   | Noticed a dread lich
312731 | Zig:18   | Noticed an ancient lich
312731 | Zig:18   | Noticed a dread lich
312731 | Zig:18   | Noticed a dread lich
312731 | Zig:18   | Noticed a dread lich
312731 | Zig:18   | Noticed an ancient lich
312732 | Zig:18   | Killed an ancient lich
312732 | Zig:18   | Killed a dread lich
312732 | Zig:18   | Killed a dread lich
312732 | Zig:18   | Killed a dread lich
312732 | Zig:18   | Killed a dread lich
312732 | Zig:18   | Killed a dread lich
312732 | Zig:18   | Killed an ancient lich
312732 | Zig:18   | Killed a dread lich
312732 | Zig:18   | Killed a dread lich
312732 | Zig:18   | Killed a dread lich
312732 | Zig:18   | Killed an ancient lich
312732 | Zig:18   | Killed a dread lich
312732 | Zig:18   | Killed an ancient lich
312732 | Zig:18   | Killed an ancient lich
312732 | Zig:18   | Killed a dread lich
312732 | Zig:18   | Noticed an ancient lich
312733 | Zig:18   | Noticed a dread lich
312733 | Zig:18   | Noticed an ancient lich
312735 | Zig:18   | Killed an ancient lich
312735 | Zig:18   | Killed a dread lich
312735 | Zig:18   | Killed an ancient lich
312735 | Zig:18   | Killed a dread lich
312735 | Zig:18   | Killed an ancient lich
312736 | Zig:18   | Noticed a dread lich
312736 | Zig:18   | Noticed an ancient lich
312736 | Zig:18   | Noticed a dread lich
312736 | Zig:18   | Noticed an ancient lich
312737 | Zig:18   | Killed an ancient lich
312737 | Zig:18   | Killed a dread lich
312737 | Zig:18   | Noticed a dread lich
312738 | Zig:18   | Noticed an ancient lich
312738 | Zig:18   | Noticed a dread lich
312738 | Zig:18   | Noticed an ancient lich
312739 | Zig:18   | Noticed an ancient lich
312739 | Zig:18   | Killed a dread lich
312740 | Zig:18   | Killed an ancient lich
312740 | Zig:18   | Killed a dread lich
312740 | Zig:18   | Killed an ancient lich
312741 | Zig:18   | Killed a dread lich
312741 | Zig:18   | Killed an ancient lich
312741 | Zig:18   | Killed an ancient lich
312741 | Zig:18   | Killed a dread lich
312741 | Zig:18   | Killed an ancient lich
312742 | Zig:18   | Noticed a dread lich
312743 | Zig:18   | Noticed a dread lich
312744 | Zig:18   | Killed a dread lich
312747 | Zig:18   | Killed a dread lich
313173 | Zig:18   | Identified the +1 morningstar of Famine {drain, rC+++ rN+
                  | rCorr Int-5}
313182 | Zig:18   | Identified the +5 morningstar of Tomorrow {freeze, Fly
                  | rElec Dex-3}
313185 | Zig:18   | Identified the +5 hand axe "Ciuff" {freeze, MP-9 Str+4}
313187 | Zig:18   | Identified the +4 hand axe of Depnar {speed, MP+9 Str-4
                  | Dex+4}
313190 | Zig:18   | Identified the +10 war axe "Syerhumi" {protect, rPois
                  | rCorr}
313271 | Zig:18   | Identified the +5 whip "Jifriff" {antimagic, rCorr}
313283 | Zig:18   | Identified the +7 rapier of Faikhys {protect, *Slow rC+
                  | Int+6}
313372 | Zig:19   | Entered Level 19 of a ziggurat
314139 | Zig:19   | Identified the amulet "Ilulopro" {Faith rN++}
314143 | Zig:19   | Identified the +6 halberd of Ycvuw {freeze, rC- rN+ Dex+2}
314148 | Zig:19   | Identified the +6 glaive of Indignation {protect, +Blink
                  | rF+ Int+2}
314164 | Zig:19   | Identified the ring of Eternal Night {Fly rF- rC+ Will+
                  | Int+6}
314166 | Zig:19   | Identified the +9 falchion of the Puffball {heavy, rCorr
                  | Dex+3}
314170 | Zig:19   | Identified the ring of Juunal {rElec rF- rCorr Int+6 SInv}
314172 | Zig:19   | Identified the ring "Piwirifi" {Fire rElec Will+ rCorr}
314177 | Zig:19   | Identified the +1 scale mail "Josezxux" {rC+ rN+ Str+2}
314178 | Zig:19   | Identified the staff of Amorality {rElec MP+9 Str+2 Air}
314182 | Zig:19   | Identified the +0 leather armour of the Imp {Will++ SInv}
314187 | Zig:19   | Identified the +1 war axe of In Flagrante Delicto {pain,
                  | rPois Str+2 SInv}
314197 | Zig:19   | Identified the ring of Accord {*Corrode rC+ Int+3 Dex+6}
314242 | Zig:20   | Entered Level 20 of a ziggurat
314242 | Zig:20   | Noticed a juggernaut
314242 | Zig:20   | Noticed a juggernaut
314242 | Zig:20   | Noticed a juggernaut
314242 | Zig:20   | Noticed a juggernaut
314242 | Zig:20   | Noticed a juggernaut
314242 | Zig:20   | Noticed a juggernaut
314242 | Zig:20   | Noticed a juggernaut
314242 | Zig:20   | Noticed a juggernaut
314242 | Zig:20   | Noticed a juggernaut
314242 | Zig:20   | Noticed a juggernaut
314242 | Zig:20   | Noticed a juggernaut
314242 | Zig:20   | Noticed a juggernaut
314243 | Zig:20   | Killed a juggernaut
314243 | Zig:20   | Killed a juggernaut
314243 | Zig:20   | Killed a juggernaut
314243 | Zig:20   | Killed a juggernaut
314243 | Zig:20   | Killed a juggernaut
314244 | Zig:20   | Noticed a juggernaut
314244 | Zig:20   | Noticed a juggernaut
314244 | Zig:20   | Noticed a juggernaut
314245 | Zig:20   | Noticed a juggernaut
314245 | Zig:20   | Noticed a juggernaut
314245 | Zig:20   | Noticed a juggernaut
314246 | Zig:20   | Killed a juggernaut
314246 | Zig:20   | Killed a juggernaut
314246 | Zig:20   | Killed a juggernaut
314246 | Zig:20   | Killed a juggernaut
314246 | Zig:20   | Killed a juggernaut
314246 | Zig:20   | Killed a juggernaut
314246 | Zig:20   | Killed a juggernaut
314246 | Zig:20   | Killed a juggernaut
314246 | Zig:20   | Killed a juggernaut
314246 | Zig:20   | Killed a juggernaut
314248 | Zig:20   | Noticed a juggernaut
314248 | Zig:20   | Noticed a juggernaut
314248 | Zig:20   | Noticed a juggernaut
314248 | Zig:20   | Noticed a juggernaut
314248 | Zig:20   | Noticed a juggernaut
314248 | Zig:20   | Noticed a juggernaut
314249 | Zig:20   | Noticed a juggernaut
314249 | Zig:20   | Killed a juggernaut
314249 | Zig:20   | Killed a juggernaut
314249 | Zig:20   | Killed a juggernaut
314249 | Zig:20   | Killed a juggernaut
314250 | Zig:20   | Noticed a juggernaut
314250 | Zig:20   | Noticed a juggernaut
314250 | Zig:20   | Noticed a juggernaut
314251 | Zig:20   | Noticed a juggernaut
314251 | Zig:20   | Noticed a juggernaut
314251 | Zig:20   | Killed a juggernaut
314252 | Zig:20   | Killed a juggernaut
314252 | Zig:20   | Killed a juggernaut
314252 | Zig:20   | Killed a juggernaut
314252 | Zig:20   | Killed a juggernaut
314252 | Zig:20   | Killed a juggernaut
314253 | Zig:20   | Noticed a juggernaut
314253 | Zig:20   | Noticed a juggernaut
314253 | Zig:20   | Noticed a juggernaut
314253 | Zig:20   | Killed a juggernaut
314254 | Zig:20   | Noticed a juggernaut
314254 | Zig:20   | Noticed a juggernaut
314254 | Zig:20   | Noticed a juggernaut
314255 | Zig:20   | Killed a juggernaut
314255 | Zig:20   | Killed a juggernaut
314255 | Zig:20   | Killed a juggernaut
314255 | Zig:20   | Killed a juggernaut
314255 | Zig:20   | Killed a juggernaut
314256 | Zig:20   | Noticed a juggernaut
314256 | Zig:20   | Noticed a juggernaut
314256 | Zig:20   | Killed a juggernaut
314257 | Zig:20   | Noticed a juggernaut
314258 | Zig:20   | Noticed a juggernaut
314258 | Zig:20   | Killed a juggernaut
314258 | Zig:20   | Killed a juggernaut
314258 | Zig:20   | Killed a juggernaut
314258 | Zig:20   | Killed a juggernaut
314259 | Zig:20   | Noticed a juggernaut
314259 | Zig:20   | Noticed a juggernaut
314259 | Zig:20   | Killed a juggernaut
314260 | Zig:20   | Noticed a juggernaut
314260 | Zig:20   | Noticed a juggernaut
314261 | Zig:20   | Noticed a juggernaut
314261 | Zig:20   | Noticed a juggernaut
314261 | Zig:20   | Noticed a juggernaut
314261 | Zig:20   | Killed a juggernaut
314261 | Zig:20   | Killed a juggernaut
314261 | Zig:20   | Killed a juggernaut
314261 | Zig:20   | Killed a juggernaut
314261 | Zig:20   | Noticed a juggernaut
314263 | Zig:20   | Noticed a juggernaut
314263 | Zig:20   | Noticed a juggernaut
314263 | Zig:20   | Noticed a juggernaut
314263 | Zig:20   | Noticed a juggernaut
314263 | Zig:20   | Noticed a juggernaut
314264 | Zig:20   | Noticed a juggernaut
314264 | Zig:20   | Noticed a juggernaut
314264 | Zig:20   | Killed a juggernaut
314264 | Zig:20   | Killed a juggernaut
314264 | Zig:20   | Killed a juggernaut
314264 | Zig:20   | Killed a juggernaut
314264 | Zig:20   | Killed a juggernaut
314264 | Zig:20   | Killed a juggernaut
314265 | Zig:20   | Noticed a juggernaut
314265 | Zig:20   | Noticed a juggernaut
314265 | Zig:20   | Noticed a juggernaut
314265 | Zig:20   | Noticed a juggernaut
314265 | Zig:20   | Noticed a juggernaut
314266 | Zig:20   | Noticed a juggernaut
314266 | Zig:20   | Noticed a juggernaut
314266 | Zig:20   | Noticed a juggernaut
314267 | Zig:20   | Noticed a juggernaut
314267 | Zig:20   | Killed a juggernaut
314267 | Zig:20   | Killed a juggernaut
314267 | Zig:20   | Killed a juggernaut
314267 | Zig:20   | Killed a juggernaut
314267 | Zig:20   | Killed a juggernaut
314267 | Zig:20   | Killed a juggernaut
314268 | Zig:20   | Noticed a juggernaut
314268 | Zig:20   | Noticed a juggernaut
314268 | Zig:20   | Noticed a juggernaut
314268 | Zig:20   | Noticed a juggernaut
314268 | Zig:20   | Noticed a juggernaut
314268 | Zig:20   | Killed a juggernaut
314268 | Zig:20   | Killed a juggernaut
314269 | Zig:20   | Noticed a juggernaut
314269 | Zig:20   | Noticed a juggernaut
314269 | Zig:20   | Noticed a juggernaut
314269 | Zig:20   | Killed a juggernaut
314269 | Zig:20   | Noticed a juggernaut
314270 | Zig:20   | Killed a juggernaut
314270 | Zig:20   | Killed a juggernaut
314270 | Zig:20   | Killed a juggernaut
314270 | Zig:20   | Killed a juggernaut
314270 | Zig:20   | Killed a juggernaut
314270 | Zig:20   | Killed a juggernaut
314270 | Zig:20   | Killed a juggernaut
314270 | Zig:20   | Killed a juggernaut
314270 | Zig:20   | Killed a juggernaut
314270 | Zig:20   | Killed a juggernaut
314270 | Zig:20   | Killed a juggernaut
314272 | Zig:20   | Noticed a juggernaut
314272 | Zig:20   | Noticed a juggernaut
314272 | Zig:20   | Noticed a juggernaut
314272 | Zig:20   | Killed a juggernaut
314273 | Zig:20   | Noticed a juggernaut
314273 | Zig:20   | Killed a juggernaut
314273 | Zig:20   | Killed a juggernaut
314275 | Zig:20   | Noticed a juggernaut
314275 | Zig:20   | Noticed a juggernaut
314275 | Zig:20   | Noticed a juggernaut
314275 | Zig:20   | Noticed a juggernaut
314276 | Zig:20   | Killed a juggernaut
314276 | Zig:20   | Killed a juggernaut
314276 | Zig:20   | Killed a juggernaut
314276 | Zig:20   | Killed a juggernaut
314276 | Zig:20   | Killed a juggernaut
314276 | Zig:20   | Killed a juggernaut
314279 | Zig:20   | Killed a juggernaut
314282 | Zig:20   | Killed a juggernaut
314283 | Zig:20   | Identified the +6 scimitar of Experimentation {drain, Fly
                  | rPois Int+2 Stlth-}
314295 | Zig:20   | Noticed a juggernaut
314298 | Zig:20   | Killed a juggernaut
314311 | Zig:20   | Noticed a juggernaut
314315 | Zig:20   | Killed a juggernaut
314315 | Zig:20   | Killed a juggernaut
314315 | Zig:20   | Killed a juggernaut
314315 | Zig:20   | Killed a juggernaut
314319 | Zig:20   | Killed a juggernaut
315058 | Zig:20   | Identified the +6 great sword of Otusiliq {venom, *Noise
                  | Str+4}
315062 | Zig:20   | Identified the +4 flail of Xuusiurph {venom, Will+}
315080 | Zig:20   | Identified the +7 double sword of Beetweju {freeze, Int+3
                  | Dex+4 Stlth+}
315084 | Zig:20   | Identified the ring of Yvviores {Wiz rElec}
315095 | Zig:20   | Identified the amulet "Pehoag" {Acrobat Will+}
315188 | Zig:20   | Identified the +3 scimitar of Wounding {spect, ^Fragile
                  | rPois rN+++ Int+2}
315206 | Zig:20   | Identified the +1 ring mail "Werovics" {Fly rElec MP+9
                  | Slay-3 SInv}
315209 | Zig:20   | Identified the staff of Kiziseb {*Slow rF+ Str+2 Int+2
                  | Fire}
315227 | Zig:20   | Identified the +6 scimitar "Bari Ome" {heavy, rCorr}
315234 | Zig:20   | Identified the staff of Lirethra {rF+ rC+ Str+2 Ice}
315243 | Zig:20   | Identified the +4 ring mail of the Butterfly {Dex+2}
315256 | Zig:20   | Identified the +2 mace of Popular Demand {heavy, Will+}
315262 | Zig:20   | Identified the staff of the Tundras {*Corrode Fly rElec
                  | Conj Hexes Air}
315271 | Zig:20   | Identified the +2 long sword "Xusoto" {antimagic, rCorr
                  | Str+2 Int+3 Stlth+}
315366 | Zig:21   | Entered Level 21 of a ziggurat
315424 | Zig:21   | Noticed Kyjom the pandemonium lord
315430 | Zig:21   | Killed Kyjom the pandemonium lord
316158 | Zig:21   | Identified the +7 war axe of Circular Logic {flame, rElec
                  | Dex+2}
316162 | Zig:21   | Identified the +1 dire flail of Qakat {drain, Will+ Int+4
                  | Dex+3}
316172 | Zig:21   | Identified the amulet "Xirumeup" {Faith rF+ rC- Stlth+}
316186 | Zig:21   | Identified the staff of the Spinneret {Int+4 SInv Conj}
316197 | Zig:21   | Identified the +2 pair of boots of the Swamp {Slay+5}
316206 | Zig:21   | Identified the staff of the Burning God {rC+ Will- Stlth+
                  | Conj Fire}
316210 | Zig:21   | Identified the death talisman "Zetanneavi" {*Slow Str+5
                  | Slay+5}
316214 | Zig:21   | Identified the +1 orcbow of the Ancient Spirits {drain,
                  | ^Fragile rN+ Stlth+}
316218 | Zig:21   | Identified the +1 morningstar "Faod Pau" {venom, ^Fragile
                  | Fly rF+ SInv}
316219 | Zig:21   | Identified the ring "Haett" {rCorr Str+2}
316398 | Zig:22   | Entered Level 22 of a ziggurat
316398 | Zig:22   | Noticed a royal mummy
316398 | Zig:22   | Noticed a royal mummy
316398 | Zig:22   | Noticed a royal mummy
316398 | Zig:22   | Noticed a royal mummy
316398 | Zig:22   | Noticed a royal mummy
316398 | Zig:22   | Noticed a royal mummy
316398 | Zig:22   | Noticed a royal mummy
316398 | Zig:22   | Noticed a royal mummy
316398 | Zig:22   | Noticed a royal mummy
316398 | Zig:22   | Noticed a royal mummy
316398 | Zig:22   | Noticed a royal mummy
316398 | Zig:22   | Noticed a royal mummy
316398 | Zig:22   | Noticed a royal mummy
316399 | Zig:22   | Killed a royal mummy
316399 | Zig:22   | Killed a royal mummy
316399 | Zig:22   | Killed a royal mummy
316399 | Zig:22   | Killed a royal mummy
316399 | Zig:22   | Killed a royal mummy
316399 | Zig:22   | Killed a royal mummy
316399 | Zig:22   | Killed a royal mummy
316399 | Zig:22   | Killed a royal mummy
316399 | Zig:22   | Killed a royal mummy
316399 | Zig:22   | Killed a royal mummy
316399 | Zig:22   | Killed a royal mummy
316400 | Zig:22   | Noticed a royal mummy
316400 | Zig:22   | Noticed a royal mummy
316400 | Zig:22   | Noticed a royal mummy
316402 | Zig:22   | Killed a royal mummy
316402 | Zig:22   | Killed a royal mummy
316402 | Zig:22   | Killed a royal mummy
316402 | Zig:22   | Noticed a royal mummy
316403 | Zig:22   | Noticed a royal mummy
316403 | Zig:22   | Noticed a royal mummy
316403 | Zig:22   | Noticed a royal mummy
316403 | Zig:22   | Noticed a royal mummy
316403 | Zig:22   | Noticed a royal mummy
316403 | Zig:22   | Noticed a royal mummy
316403 | Zig:22   | Noticed a royal mummy
316404 | Zig:22   | Killed a royal mummy
316404 | Zig:22   | Killed a royal mummy
316404 | Zig:22   | Killed a royal mummy
316404 | Zig:22   | Noticed a royal mummy
316404 | Zig:22   | Noticed a royal mummy
316405 | Zig:22   | Noticed a royal mummy
316405 | Zig:22   | Noticed a royal mummy
316406 | Zig:22   | Noticed a royal mummy
316407 | Zig:22   | Noticed a royal mummy
316407 | Zig:22   | Noticed a royal mummy
316407 | Zig:22   | Killed a royal mummy
316407 | Zig:22   | Noticed a royal mummy
316408 | Zig:22   | Killed a royal mummy
316408 | Zig:22   | Killed a royal mummy
316408 | Zig:22   | Killed a royal mummy
316408 | Zig:22   | Killed a royal mummy
316408 | Zig:22   | Killed a royal mummy
316408 | Zig:22   | Killed a royal mummy
316408 | Zig:22   | Killed a royal mummy
316408 | Zig:22   | Killed a royal mummy
316408 | Zig:22   | Killed a royal mummy
316408 | Zig:22   | Killed a royal mummy
316408 | Zig:22   | Killed a royal mummy
316408 | Zig:22   | Noticed a royal mummy
316408 | Zig:22   | Noticed a royal mummy
316408 | Zig:22   | Noticed a royal mummy
316409 | Zig:22   | Killed a royal mummy
316409 | Zig:22   | Killed a royal mummy
316409 | Zig:22   | Killed a royal mummy
316409 | Zig:22   | Noticed a royal mummy
316409 | Zig:22   | Noticed a royal mummy
316410 | Zig:22   | Noticed a royal mummy
316411 | Zig:22   | Killed a royal mummy
316411 | Zig:22   | Killed a royal mummy
316411 | Zig:22   | Killed a royal mummy
316411 | Zig:22   | Noticed a royal mummy
316411 | Zig:22   | Noticed a royal mummy
316412 | Zig:22   | Noticed a royal mummy
316412 | Zig:22   | Noticed a royal mummy
316412 | Zig:22   | Noticed a royal mummy
316413 | Zig:22   | Killed a royal mummy
316413 | Zig:22   | Killed a royal mummy
316414 | Zig:22   | Killed a royal mummy
316414 | Zig:22   | Killed a royal mummy
316414 | Zig:22   | Noticed a royal mummy
316414 | Zig:22   | Noticed a royal mummy
316415 | Zig:22   | Killed a royal mummy
316415 | Zig:22   | Killed a royal mummy
316415 | Zig:22   | Killed a royal mummy
316415 | Zig:22   | Killed a royal mummy
316415 | Zig:22   | Killed a royal mummy
316415 | Zig:22   | Noticed a royal mummy
316416 | Zig:22   | Noticed a royal mummy
316416 | Zig:22   | Noticed a royal mummy
316417 | Zig:22   | Noticed a royal mummy
316419 | Zig:22   | Noticed a royal mummy
316420 | Zig:22   | Killed a royal mummy
316420 | Zig:22   | Killed a royal mummy
316420 | Zig:22   | Killed a royal mummy
316420 | Zig:22   | Killed a royal mummy
316420 | Zig:22   | Noticed a royal mummy
316420 | Zig:22   | Noticed a royal mummy
316420 | Zig:22   | Noticed a royal mummy
316421 | Zig:22   | Killed a royal mummy
316421 | Zig:22   | Noticed a royal mummy
316422 | Zig:22   | Noticed a royal mummy
316422 | Zig:22   | Noticed a royal mummy
316422 | Zig:22   | Noticed a royal mummy
316422 | Zig:22   | Noticed a royal mummy
316422 | Zig:22   | Noticed a royal mummy
316423 | Zig:22   | Killed a royal mummy
316423 | Zig:22   | Killed a royal mummy
316423 | Zig:22   | Killed a royal mummy
316423 | Zig:22   | Killed a royal mummy
316423 | Zig:22   | Killed a royal mummy
316423 | Zig:22   | Killed a royal mummy
316423 | Zig:22   | Killed a royal mummy
316423 | Zig:22   | Noticed a royal mummy
316425 | Zig:22   | Noticed a royal mummy
316425 | Zig:22   | Noticed a royal mummy
316425 | Zig:22   | Noticed a royal mummy
316425 | Zig:22   | Noticed a royal mummy
316426 | Zig:22   | Killed a royal mummy
316426 | Zig:22   | Killed a royal mummy
316427 | Zig:22   | Killed a royal mummy
316427 | Zig:22   | Killed a royal mummy
316427 | Zig:22   | Killed a royal mummy
316428 | Zig:22   | Noticed a royal mummy
316428 | Zig:22   | Noticed a royal mummy
316429 | Zig:22   | Noticed a royal mummy
316429 | Zig:22   | Noticed a royal mummy
316430 | Zig:22   | Noticed a royal mummy
316430 | Zig:22   | Noticed a royal mummy
316430 | Zig:22   | Noticed a royal mummy
316430 | Zig:22   | Noticed a royal mummy
316431 | Zig:22   | Killed a royal mummy
316431 | Zig:22   | Noticed a royal mummy
316431 | Zig:22   | Noticed a royal mummy
316432 | Zig:22   | Killed a royal mummy
316432 | Zig:22   | Killed a royal mummy
316433 | Zig:22   | Killed a royal mummy
316433 | Zig:22   | Killed a royal mummy
316433 | Zig:22   | Killed a royal mummy
316433 | Zig:22   | Killed a royal mummy
316433 | Zig:22   | Killed a royal mummy
316433 | Zig:22   | Killed a royal mummy
316433 | Zig:22   | Killed a royal mummy
316433 | Zig:22   | Killed a royal mummy
316433 | Zig:22   | Noticed a royal mummy
316436 | Zig:22   | Killed a royal mummy
316436 | Zig:22   | Killed a royal mummy
316436 | Zig:22   | Killed a royal mummy
316436 | Zig:22   | Noticed a royal mummy
316437 | Zig:22   | Noticed a royal mummy
316437 | Zig:22   | Noticed a royal mummy
316439 | Zig:22   | Killed a royal mummy
316439 | Zig:22   | Killed a royal mummy
316439 | Zig:22   | Noticed a royal mummy
316442 | Zig:22   | Killed a royal mummy
316442 | Zig:22   | Noticed a royal mummy
316442 | Zig:22   | Noticed a royal mummy
316444 | Zig:22   | Noticed a royal mummy
316445 | Zig:22   | Killed a royal mummy
316445 | Zig:22   | Killed a royal mummy
316446 | Zig:22   | Noticed a royal mummy
316447 | Zig:22   | Noticed a royal mummy
316447 | Zig:22   | Noticed a royal mummy
316447 | Zig:22   | Noticed a royal mummy
316447 | Zig:22   | Noticed a royal mummy
316447 | Zig:22   | Noticed a royal mummy
316447 | Zig:22   | Noticed a royal mummy
316448 | Zig:22   | Killed a royal mummy
316448 | Zig:22   | Killed a royal mummy
316448 | Zig:22   | Killed a royal mummy
316449 | Zig:22   | Noticed a royal mummy
316449 | Zig:22   | Noticed a royal mummy
316449 | Zig:22   | Noticed a royal mummy
316451 | Zig:22   | Killed a royal mummy
316451 | Zig:22   | Killed a royal mummy
316451 | Zig:22   | Killed a royal mummy
316451 | Zig:22   | Killed a royal mummy
316451 | Zig:22   | Killed a royal mummy
316451 | Zig:22   | Killed a royal mummy
316451 | Zig:22   | Killed a royal mummy
316451 | Zig:22   | Noticed a royal mummy
316454 | Zig:22   | Killed a royal mummy
316454 | Zig:22   | Killed a royal mummy
316454 | Zig:22   | Noticed a royal mummy
316455 | Zig:22   | Killed a royal mummy
316458 | Zig:22   | Killed a royal mummy
316466 | Zig:22   | Noticed a royal mummy
316471 | Zig:22   | Killed a royal mummy
317127 | Zig:22   | Identified the +8 scimitar "Bacran" {flame, rElec rC+
                  | Dex-3}
317167 | Zig:22   | Identified the ring of Gluttony {rF+ rCorr Str+2 Int+6
                  | Dex-3}
317177 | Zig:22   | Identified the +3 war axe of Spores {protect, rPois rC+++
                  | Str-3 Stlth+}
317180 | Zig:22   | Identified the ring "Emoc" {Will+ Str+4 Int+6 Slay+2}
317184 | Zig:22   | Identified the +6 trident of Causality {freeze, rPois Int+6
                  | Dex-3}
317215 | Zig:22   | Identified the +1 fire dragon scales of Fun {rF++ rC-
                  | rCorr}
317306 | Zig:23   | Entered Level 23 of a ziggurat
317306 | Zig:23   | Noticed a royal mummy
317306 | Zig:23   | Noticed a royal mummy
317306 | Zig:23   | Noticed a royal mummy
317306 | Zig:23   | Noticed a royal mummy
317306 | Zig:23   | Noticed a royal mummy
317306 | Zig:23   | Noticed a royal mummy
317306 | Zig:23   | Noticed a royal mummy
317306 | Zig:23   | Noticed a royal mummy
317306 | Zig:23   | Noticed a royal mummy
317306 | Zig:23   | Noticed a royal mummy
317306 | Zig:23   | Noticed a royal mummy
317306 | Zig:23   | Noticed a royal mummy
317306 | Zig:23   | Noticed an ancient lich
317306 | Zig:23   | Noticed a royal mummy
317306 | Zig:23   | Noticed a royal mummy
317306 | Zig:23   | Noticed a royal mummy
317306 | Zig:23   | Noticed a royal mummy
317306 | Zig:23   | Noticed a royal mummy
317306 | Zig:23   | Noticed a royal mummy
317306 | Zig:23   | Noticed a royal mummy
317306 | Zig:23   | Noticed a royal mummy
317307 | Zig:23   | Killed a royal mummy
317307 | Zig:23   | Killed a royal mummy
317307 | Zig:23   | Killed a royal mummy
317307 | Zig:23   | Killed a royal mummy
317307 | Zig:23   | Killed a royal mummy
317307 | Zig:23   | Killed a royal mummy
317307 | Zig:23   | Killed a royal mummy
317307 | Zig:23   | Killed a royal mummy
317307 | Zig:23   | Killed a royal mummy
317307 | Zig:23   | Killed a royal mummy
317307 | Zig:23   | Killed a royal mummy
317307 | Zig:23   | Killed a royal mummy
317307 | Zig:23   | Killed a royal mummy
317307 | Zig:23   | Killed a royal mummy
317307 | Zig:23   | Killed a royal mummy
317307 | Zig:23   | Killed an ancient lich
317308 | Zig:23   | Noticed a royal mummy
317309 | Zig:23   | Killed a royal mummy
317309 | Zig:23   | Killed a royal mummy
317309 | Zig:23   | Killed a royal mummy
317310 | Zig:23   | Noticed a royal mummy
317310 | Zig:23   | Noticed a royal mummy
317311 | Zig:23   | Noticed a royal mummy
317312 | Zig:23   | Killed a royal mummy
317312 | Zig:23   | Killed a royal mummy
317313 | Zig:23   | Noticed a royal mummy
317313 | Zig:23   | Killed a royal mummy
317313 | Zig:23   | Noticed a royal mummy
317313 | Zig:23   | Noticed a royal mummy
317314 | Zig:23   | Killed a royal mummy
317314 | Zig:23   | Killed a royal mummy
317314 | Zig:23   | Noticed a royal mummy
317315 | Zig:23   | Noticed a royal mummy
317315 | Zig:23   | Noticed a royal mummy
317315 | Zig:23   | Killed a royal mummy
317316 | Zig:23   | Killed a royal mummy
317316 | Zig:23   | Killed a royal mummy
317316 | Zig:23   | Killed a royal mummy
317317 | Zig:23   | Noticed a royal mummy
317317 | Zig:23   | Noticed a royal mummy
317317 | Zig:23   | Noticed a royal mummy
317317 | Zig:23   | Noticed a royal mummy
317319 | Zig:23   | Noticed a royal mummy
317320 | Zig:23   | Killed a royal mummy
317320 | Zig:23   | Killed a royal mummy
317320 | Zig:23   | Killed a royal mummy
317320 | Zig:23   | Killed a royal mummy
317320 | Zig:23   | Noticed a royal mummy
317320 | Zig:23   | Noticed a royal mummy
317321 | Zig:23   | Noticed a royal mummy
317321 | Zig:23   | Noticed a royal mummy
317321 | Zig:23   | Noticed a royal mummy
317322 | Zig:23   | Killed a royal mummy
317322 | Zig:23   | Killed a royal mummy
317322 | Zig:23   | Killed a royal mummy
317322 | Zig:23   | Killed a royal mummy
317322 | Zig:23   | Killed a royal mummy
317322 | Zig:23   | Killed a royal mummy
317322 | Zig:23   | Noticed a royal mummy
317322 | Zig:23   | Noticed a royal mummy
317323 | Zig:23   | Noticed a royal mummy
317324 | Zig:23   | Killed a royal mummy
317324 | Zig:23   | Killed a royal mummy
317324 | Zig:23   | Killed a royal mummy
317324 | Zig:23   | Noticed a royal mummy
317324 | Zig:23   | Noticed a royal mummy
317325 | Zig:23   | Killed a royal mummy
317325 | Zig:23   | Killed a royal mummy
317325 | Zig:23   | Noticed a royal mummy
317326 | Zig:23   | Noticed a royal mummy
317326 | Zig:23   | Noticed a royal mummy
317326 | Zig:23   | Noticed a royal mummy
317326 | Zig:23   | Noticed a royal mummy
317326 | Zig:23   | Noticed a royal mummy
317326 | Zig:23   | Noticed a royal mummy
317327 | Zig:23   | Noticed a royal mummy
317327 | Zig:23   | Noticed a royal mummy
317327 | Zig:23   | Killed a royal mummy
317327 | Zig:23   | Noticed a royal mummy
317328 | Zig:23   | Killed a royal mummy
317328 | Zig:23   | Killed a royal mummy
317328 | Zig:23   | Killed a royal mummy
317328 | Zig:23   | Killed a royal mummy
317328 | Zig:23   | Killed a royal mummy
317328 | Zig:23   | Killed a royal mummy
317329 | Zig:23   | Noticed a royal mummy
317329 | Zig:23   | Noticed a royal mummy
317329 | Zig:23   | Noticed a royal mummy
317329 | Zig:23   | Killed a royal mummy
317330 | Zig:23   | Killed a royal mummy
317330 | Zig:23   | Killed a royal mummy
317330 | Zig:23   | Killed a royal mummy
317330 | Zig:23   | Killed a royal mummy
317330 | Zig:23   | Killed a royal mummy
317330 | Zig:23   | Killed a royal mummy
317330 | Zig:23   | Killed a royal mummy
317330 | Zig:23   | Noticed a royal mummy
317331 | Zig:23   | Noticed a royal mummy
317331 | Zig:23   | Noticed a royal mummy
317331 | Zig:23   | Noticed a royal mummy
317332 | Zig:23   | Killed a royal mummy
317332 | Zig:23   | Killed a royal mummy
317333 | Zig:23   | Noticed a royal mummy
317333 | Zig:23   | Noticed a royal mummy
317334 | Zig:23   | Killed a royal mummy
317334 | Zig:23   | Killed a royal mummy
317334 | Zig:23   | Killed a royal mummy
317334 | Zig:23   | Noticed a royal mummy
317334 | Zig:23   | Noticed a royal mummy
317334 | Zig:23   | Noticed a royal mummy
317334 | Zig:23   | Noticed a royal mummy
317334 | Zig:23   | Noticed a royal mummy
317335 | Zig:23   | Noticed a royal mummy
317335 | Zig:23   | Noticed a royal mummy
317335 | Zig:23   | Noticed a royal mummy
317335 | Zig:23   | Noticed a royal mummy
317335 | Zig:23   | Noticed a royal mummy
317336 | Zig:23   | Noticed a royal mummy
317336 | Zig:23   | Noticed a royal mummy
317336 | Zig:23   | Killed a royal mummy
317336 | Zig:23   | Noticed a royal mummy
317336 | Zig:23   | Noticed a royal mummy
317336 | Zig:23   | Noticed a royal mummy
317336 | Zig:23   | Noticed a royal mummy
317337 | Zig:23   | Killed a royal mummy
317337 | Zig:23   | Killed a royal mummy
317337 | Zig:23   | Killed a royal mummy
317337 | Zig:23   | Killed a royal mummy
317337 | Zig:23   | Killed a royal mummy
317337 | Zig:23   | Killed a royal mummy
317337 | Zig:23   | Killed a royal mummy
317337 | Zig:23   | Killed a royal mummy
317337 | Zig:23   | Killed a royal mummy
317337 | Zig:23   | Killed a royal mummy
317337 | Zig:23   | Killed a royal mummy
317337 | Zig:23   | Killed a royal mummy
317337 | Zig:23   | Killed a royal mummy
317337 | Zig:23   | Killed a royal mummy
317337 | Zig:23   | Noticed a royal mummy
317337 | Zig:23   | Noticed a royal mummy
317337 | Zig:23   | Noticed a royal mummy
317337 | Zig:23   | Noticed a royal mummy
317337 | Zig:23   | Noticed a royal mummy
317337 | Zig:23   | Noticed a royal mummy
317338 | Zig:23   | Noticed a royal mummy
317338 | Zig:23   | Noticed a royal mummy
317339 | Zig:23   | Noticed a royal mummy
317339 | Zig:23   | Noticed a royal mummy
317339 | Zig:23   | Noticed a royal mummy
317339 | Zig:23   | Noticed a royal mummy
317340 | Zig:23   | Killed a royal mummy
317340 | Zig:23   | Killed a royal mummy
317340 | Zig:23   | Killed a royal mummy
317340 | Zig:23   | Killed a royal mummy
317340 | Zig:23   | Killed a royal mummy
317340 | Zig:23   | Killed a royal mummy
317340 | Zig:23   | Killed a royal mummy
317340 | Zig:23   | Killed a royal mummy
317340 | Zig:23   | Killed a royal mummy
317340 | Zig:23   | Noticed a royal mummy
317342 | Zig:23   | Noticed a royal mummy
317342 | Zig:23   | Noticed a royal mummy
317343 | Zig:23   | Killed a royal mummy
317343 | Zig:23   | Killed a royal mummy
317343 | Zig:23   | Killed a royal mummy
317343 | Zig:23   | Killed a royal mummy
317343 | Zig:23   | Killed a royal mummy
317343 | Zig:23   | Killed a royal mummy
317343 | Zig:23   | Noticed a royal mummy
317344 | Zig:23   | Killed a royal mummy
317344 | Zig:23   | Killed a royal mummy
317344 | Zig:23   | Noticed a royal mummy
317344 | Zig:23   | Noticed a royal mummy
317348 | Zig:23   | Killed a royal mummy
317348 | Zig:23   | Noticed a royal mummy
317350 | Zig:23   | Killed a royal mummy
317351 | Zig:23   | Noticed a royal mummy
317351 | Zig:23   | Killed a royal mummy
317352 | Zig:23   | Killed a royal mummy
317353 | Zig:23   | Noticed a royal mummy
317353 | Zig:23   | Noticed a royal mummy
317356 | Zig:23   | Killed a royal mummy
317356 | Zig:23   | Killed a royal mummy
317356 | Zig:23   | Killed a royal mummy
317356 | Zig:23   | Noticed a royal mummy
317357 | Zig:23   | Noticed a royal mummy
317357 | Zig:23   | Noticed a royal mummy
317358 | Zig:23   | Noticed a royal mummy
317359 | Zig:23   | Killed a royal mummy
317359 | Zig:23   | Killed a royal mummy
317359 | Zig:23   | Killed a royal mummy
317359 | Zig:23   | Noticed a royal mummy
317359 | Zig:23   | Noticed a royal mummy
317360 | Zig:23   | Noticed a royal mummy
317361 | Zig:23   | Noticed a royal mummy
317361 | Zig:23   | Noticed a royal mummy
317361 | Zig:23   | Noticed a royal mummy
317362 | Zig:23   | Killed a royal mummy
317362 | Zig:23   | Killed a royal mummy
317362 | Zig:23   | Killed a royal mummy
317362 | Zig:23   | Killed a royal mummy
317364 | Zig:23   | Killed a royal mummy
317364 | Zig:23   | Killed a royal mummy
317365 | Zig:23   | Noticed a royal mummy
317366 | Zig:23   | Noticed a royal mummy
317367 | Zig:23   | Killed a royal mummy
317367 | Zig:23   | Killed a royal mummy
317367 | Zig:23   | Killed a royal mummy
317367 | Zig:23   | Killed a royal mummy
317368 | Zig:23   | Noticed a royal mummy
317369 | Zig:23   | Killed a royal mummy
317370 | Zig:23   | Noticed a royal mummy
317370 | Zig:23   | Noticed a royal mummy
317371 | Zig:23   | Killed a royal mummy
317371 | Zig:23   | Noticed a royal mummy
317373 | Zig:23   | Noticed a royal mummy
317374 | Zig:23   | Noticed a royal mummy
317375 | Zig:23   | Killed a royal mummy
317375 | Zig:23   | Killed a royal mummy
317375 | Zig:23   | Noticed a royal mummy
317376 | Zig:23   | Killed a royal mummy
317377 | Zig:23   | Killed a royal mummy
317378 | Zig:23   | Killed a royal mummy
317380 | Zig:23   | Killed a royal mummy
317386 | Zig:23   | Noticed a royal mummy
317391 | Zig:23   | Killed a royal mummy
318078 | Zig:23   | Identified the +3 short sword of Disarray {freeze, rPois
                  | Int+3 Dex-3}
318079 | Zig:23   | Identified the amulet "Utuom Qitisk" {^Drain rElec rPois
                  | rN+++ Regen+}
318086 | Zig:23   | Identified the +4 flail of Ravage {freeze, rElec rN+}
318096 | Zig:23   | Identified the ring of Tender Moments {rPois Str+3}
318101 | Zig:23   | Identified the +3 quarterstaff "Hellblazer" {drain, rPois
                  | rF+++ Str+2 Stlth+}
318102 | Zig:23   | Identified the +0 sling of the Dancing Sybil {freeze, rElec
                  | rF+ Int+3}
318105 | Zig:23   | Identified the +2 orcbow of Terra Cotta {flame, rPois Str+4
                  | Int+3}
318117 | Zig:23   | Identified the +0 robe of Henotheism {+Blink rElec rPois
                  | Will++}
318185 | Zig:24   | Entered Level 24 of a ziggurat
318190 | Zig:24   | Noticed a dread lich
318191 | Zig:24   | Noticed an ancient lich
318191 | Zig:24   | Noticed a dread lich
318191 | Zig:24   | Noticed an ancient lich
318191 | Zig:24   | Noticed a dread lich
318192 | Zig:24   | Noticed an ancient lich
318194 | Zig:24   | Noticed an ancient lich
318194 | Zig:24   | Noticed an ancient lich
318194 | Zig:24   | Noticed an ancient lich
318196 | Zig:24   | Noticed a dread lich
318197 | Zig:24   | Killed a dread lich
318197 | Zig:24   | Killed a dread lich
318197 | Zig:24   | Killed an ancient lich
318197 | Zig:24   | Killed an ancient lich
318197 | Zig:24   | Killed a dread lich
318197 | Zig:24   | Killed an ancient lich
318197 | Zig:24   | Noticed a dread lich
318197 | Zig:24   | Noticed a dread lich
318198 | Zig:24   | Killed an ancient lich
318198 | Zig:24   | Killed a dread lich
318198 | Zig:24   | Killed an ancient lich
318199 | Zig:24   | Noticed a dread lich
318199 | Zig:24   | Noticed an ancient lich
318199 | Zig:24   | Noticed an ancient lich
318200 | Zig:24   | Noticed a dread lich
318200 | Zig:24   | Noticed a dread lich
318200 | Zig:24   | Noticed a dread lich
318200 | Zig:24   | Noticed a dread lich
318200 | Zig:24   | Noticed an ancient lich
318200 | Zig:24   | Noticed a dread lich
318200 | Zig:24   | Noticed a dread lich
318200 | Zig:24   | Noticed an ancient lich
318201 | Zig:24   | Noticed a dread lich
318201 | Zig:24   | Noticed an ancient lich
318201 | Zig:24   | Noticed a dread lich
318201 | Zig:24   | Noticed an ancient lich
318201 | Zig:24   | Noticed a dread lich
318201 | Zig:24   | Noticed a dread lich
318201 | Zig:24   | Noticed an ancient lich
318201 | Zig:24   | Noticed an ancient lich
318202 | Zig:24   | Noticed an ancient lich
318202 | Zig:24   | Killed a dread lich
318202 | Zig:24   | Killed a dread lich
318202 | Zig:24   | Killed an ancient lich
318202 | Zig:24   | Killed a dread lich
318202 | Zig:24   | Killed an ancient lich
318202 | Zig:24   | Killed a dread lich
318202 | Zig:24   | Killed a dread lich
318202 | Zig:24   | Killed an ancient lich
318202 | Zig:24   | Killed an ancient lich
318202 | Zig:24   | Killed an ancient lich
318202 | Zig:24   | Killed a dread lich
318202 | Zig:24   | Noticed an ancient lich
318202 | Zig:24   | Noticed a dread lich
318203 | Zig:24   | Noticed a dread lich
318203 | Zig:24   | Noticed an ancient lich
318203 | Zig:24   | Noticed a dread lich
318203 | Zig:24   | Noticed an ancient lich
318203 | Zig:24   | Noticed an ancient lich
318203 | Zig:24   | Noticed a dread lich
318203 | Zig:24   | Noticed a dread lich
318203 | Zig:24   | Noticed an ancient lich
318204 | Zig:24   | Noticed a dread lich
318204 | Zig:24   | Noticed a dread lich
318204 | Zig:24   | Noticed an ancient lich
318204 | Zig:24   | Killed a dread lich
318204 | Zig:24   | Killed an ancient lich
318204 | Zig:24   | Killed a dread lich
318204 | Zig:24   | Killed an ancient lich
318204 | Zig:24   | Killed an ancient lich
318204 | Zig:24   | Killed an ancient lich
318204 | Zig:24   | Killed a dread lich
318204 | Zig:24   | Killed an ancient lich
318204 | Zig:24   | Killed a dread lich
318204 | Zig:24   | Killed a dread lich
318205 | Zig:24   | Killed a dread lich
318205 | Zig:24   | Killed an ancient lich
318205 | Zig:24   | Killed a dread lich
318205 | Zig:24   | Killed a dread lich
318205 | Zig:24   | Killed a dread lich
318205 | Zig:24   | Killed an ancient lich
318205 | Zig:24   | Killed an ancient lich
318205 | Zig:24   | Killed an ancient lich
318205 | Zig:24   | Killed a dread lich
318205 | Zig:24   | Killed an ancient lich
318205 | Zig:24   | Killed a dread lich
318205 | Zig:24   | Killed a dread lich
318205 | Zig:24   | Killed a dread lich
318205 | Zig:24   | Noticed an ancient lich
318205 | Zig:24   | Noticed an ancient lich
318205 | Zig:24   | Noticed an ancient lich
318206 | Zig:24   | Noticed a dread lich
318206 | Zig:24   | Noticed an ancient lich
318206 | Zig:24   | Noticed a dread lich
318206 | Zig:24   | Noticed a dread lich
318206 | Zig:24   | Noticed a dread lich
318207 | Zig:24   | Killed a dread lich
318207 | Zig:24   | Killed an ancient lich
318207 | Zig:24   | Killed an ancient lich
318207 | Zig:24   | Killed an ancient lich
318207 | Zig:24   | Killed an ancient lich
318207 | Zig:24   | Killed a dread lich
318207 | Zig:24   | Killed a dread lich
318207 | Zig:24   | Killed a dread lich
318207 | Zig:24   | Noticed an ancient lich
318207 | Zig:24   | Noticed a dread lich
318207 | Zig:24   | Noticed a dread lich
318207 | Zig:24   | Noticed a dread lich
318208 | Zig:24   | Noticed a dread lich
318208 | Zig:24   | Noticed a dread lich
318208 | Zig:24   | Noticed an ancient lich
318208 | Zig:24   | Noticed a dread lich
318209 | Zig:24   | Noticed a dread lich
318209 | Zig:24   | Noticed a dread lich
318209 | Zig:24   | Noticed a dread lich
318209 | Zig:24   | Noticed a dread lich
318209 | Zig:24   | Noticed an ancient lich
318209 | Zig:24   | Noticed a dread lich
318209 | Zig:24   | Noticed an ancient lich
318209 | Zig:24   | Noticed an ancient lich
318209 | Zig:24   | Noticed a dread lich
318209 | Zig:24   | Noticed a dread lich
318210 | Zig:24   | Killed an ancient lich
318210 | Zig:24   | Killed a dread lich
318210 | Zig:24   | Killed a dread lich
318210 | Zig:24   | Killed a dread lich
318210 | Zig:24   | Killed an ancient lich
318210 | Zig:24   | Killed an ancient lich
318210 | Zig:24   | Killed a dread lich
318210 | Zig:24   | Killed a dread lich
318210 | Zig:24   | Killed a dread lich
318210 | Zig:24   | Killed a dread lich
318210 | Zig:24   | Killed a dread lich
318210 | Zig:24   | Noticed a dread lich
318210 | Zig:24   | Noticed a dread lich
318210 | Zig:24   | Noticed a dread lich
318210 | Zig:24   | Noticed a dread lich
318210 | Zig:24   | Noticed an ancient lich
318210 | Zig:24   | Noticed an ancient lich
318210 | Zig:24   | Noticed an ancient lich
318210 | Zig:24   | Noticed a dread lich
318211 | Zig:24   | Noticed an ancient lich
318211 | Zig:24   | Noticed a dread lich
318211 | Zig:24   | Noticed an ancient lich
318211 | Zig:24   | Noticed an ancient lich
318211 | Zig:24   | Noticed an ancient lich
318212 | Zig:24   | Noticed a dread lich
318212 | Zig:24   | Noticed a dread lich
318212 | Zig:24   | Killed a dread lich
318212 | Zig:24   | Killed a dread lich
318212 | Zig:24   | Killed a dread lich
318212 | Zig:24   | Killed a dread lich
318212 | Zig:24   | Killed an ancient lich
318212 | Zig:24   | Killed a dread lich
318213 | Zig:24   | Noticed a dread lich
318213 | Zig:24   | Killed an ancient lich
318213 | Zig:24   | Killed a dread lich
318213 | Zig:24   | Killed an ancient lich
318213 | Zig:24   | Killed a dread lich
318213 | Zig:24   | Killed a dread lich
318213 | Zig:24   | Killed a dread lich
318213 | Zig:24   | Killed a dread lich
318213 | Zig:24   | Killed a dread lich
318213 | Zig:24   | Killed an ancient lich
318213 | Zig:24   | Killed a dread lich
318213 | Zig:24   | Killed a dread lich
318213 | Zig:24   | Killed an ancient lich
318213 | Zig:24   | Killed an ancient lich
318213 | Zig:24   | Killed an ancient lich
318213 | Zig:24   | Killed an ancient lich
318213 | Zig:24   | Killed a dread lich
318213 | Zig:24   | Noticed an ancient lich
318213 | Zig:24   | Noticed a dread lich
318213 | Zig:24   | Noticed a dread lich
318213 | Zig:24   | Noticed a dread lich
318213 | Zig:24   | Noticed a dread lich
318214 | Zig:24   | Noticed a dread lich
318214 | Zig:24   | Noticed a dread lich
318214 | Zig:24   | Noticed a dread lich
318214 | Zig:24   | Noticed an ancient lich
318215 | Zig:24   | Noticed an ancient lich
318215 | Zig:24   | Noticed an ancient lich
318215 | Zig:24   | Noticed an ancient lich
318215 | Zig:24   | Noticed an ancient lich
318215 | Zig:24   | Noticed an ancient lich
318215 | Zig:24   | Noticed a dread lich
318215 | Zig:24   | Noticed an ancient lich
318216 | Zig:24   | Noticed a dread lich
318216 | Zig:24   | Killed a dread lich
318216 | Zig:24   | Killed a dread lich
318216 | Zig:24   | Killed an ancient lich
318216 | Zig:24   | Killed an ancient lich
318216 | Zig:24   | Killed an ancient lich
318216 | Zig:24   | Killed a dread lich
318216 | Zig:24   | Killed a dread lich
318216 | Zig:24   | Killed a dread lich
318216 | Zig:24   | Killed a dread lich
318216 | Zig:24   | Killed an ancient lich
318216 | Zig:24   | Killed an ancient lich
318216 | Zig:24   | Killed an ancient lich
318216 | Zig:24   | Killed a dread lich
318216 | Zig:24   | Noticed a dread lich
318216 | Zig:24   | Noticed a dread lich
318216 | Zig:24   | Noticed a dread lich
318216 | Zig:24   | Noticed a dread lich
318217 | Zig:24   | Noticed a dread lich
318217 | Zig:24   | Noticed an ancient lich
318217 | Zig:24   | Noticed a dread lich
318217 | Zig:24   | Noticed a dread lich
318217 | Zig:24   | Noticed an ancient lich
318217 | Zig:24   | Noticed an ancient lich
318217 | Zig:24   | Noticed a dread lich
318217 | Zig:24   | Noticed a dread lich
318217 | Zig:24   | Noticed an ancient lich
318217 | Zig:24   | Noticed a dread lich
318217 | Zig:24   | Noticed a dread lich
318218 | Zig:24   | Noticed a dread lich
318218 | Zig:24   | Noticed an ancient lich
318219 | Zig:24   | Killed a dread lich
318219 | Zig:24   | Killed an ancient lich
318219 | Zig:24   | Killed an ancient lich
318219 | Zig:24   | Killed a dread lich
318219 | Zig:24   | Killed an ancient lich
318219 | Zig:24   | Killed a dread lich
318219 | Zig:24   | Killed an ancient lich
318219 | Zig:24   | Killed a dread lich
318219 | Zig:24   | Killed a dread lich
318219 | Zig:24   | Killed an ancient lich
318219 | Zig:24   | Killed a dread lich
318219 | Zig:24   | Killed an ancient lich
318219 | Zig:24   | Killed a dread lich
318219 | Zig:24   | Killed an ancient lich
318219 | Zig:24   | Killed a dread lich
318219 | Zig:24   | Noticed a dread lich
318219 | Zig:24   | Noticed a dread lich
318219 | Zig:24   | Noticed a dread lich
318219 | Zig:24   | Noticed a dread lich
318219 | Zig:24   | Noticed an ancient lich
318221 | Zig:24   | Killed an ancient lich
318221 | Zig:24   | Killed a dread lich
318221 | Zig:24   | Killed a dread lich
318221 | Zig:24   | Killed an ancient lich
318221 | Zig:24   | Killed a dread lich
318221 | Zig:24   | Killed a dread lich
318221 | Zig:24   | Killed a dread lich
318221 | Zig:24   | Killed a dread lich
318221 | Zig:24   | Killed a dread lich
318221 | Zig:24   | Killed an ancient lich
318221 | Zig:24   | Killed a dread lich
318221 | Zig:24   | Noticed a dread lich
318221 | Zig:24   | Noticed a dread lich
318221 | Zig:24   | Noticed a dread lich
318221 | Zig:24   | Noticed a dread lich
318221 | Zig:24   | Noticed a dread lich
318221 | Zig:24   | Noticed a dread lich
318222 | Zig:24   | Noticed an ancient lich
318222 | Zig:24   | Noticed an ancient lich
318222 | Zig:24   | Noticed a dread lich
318222 | Zig:24   | Noticed a dread lich
318222 | Zig:24   | Noticed an ancient lich
318222 | Zig:24   | Noticed an ancient lich
318223 | Zig:24   | Noticed an ancient lich
318223 | Zig:24   | Noticed an ancient lich
318223 | Zig:24   | Noticed an ancient lich
318223 | Zig:24   | Noticed an ancient lich
318223 | Zig:24   | Noticed an ancient lich
318223 | Zig:24   | Noticed a dread lich
318224 | Zig:24   | Killed an ancient lich
318224 | Zig:24   | Killed a dread lich
318224 | Zig:24   | Killed a dread lich
318224 | Zig:24   | Noticed a dread lich
318225 | Zig:24   | Noticed a dread lich
318225 | Zig:24   | Noticed a dread lich
318226 | Zig:24   | Noticed an ancient lich
318226 | Zig:24   | Noticed a dread lich
318226 | Zig:24   | Killed an ancient lich
318226 | Zig:24   | Killed a dread lich
318226 | Zig:24   | Killed a dread lich
318226 | Zig:24   | Killed a dread lich
318226 | Zig:24   | Killed an ancient lich
318226 | Zig:24   | Killed a dread lich
318226 | Zig:24   | Killed an ancient lich
318226 | Zig:24   | Killed an ancient lich
318226 | Zig:24   | Killed an ancient lich
318226 | Zig:24   | Killed a dread lich
318226 | Zig:24   | Killed a dread lich
318226 | Zig:24   | Killed an ancient lich
318226 | Zig:24   | Killed a dread lich
318226 | Zig:24   | Killed an ancient lich
318226 | Zig:24   | Killed a dread lich
318226 | Zig:24   | Killed a dread lich
318226 | Zig:24   | Killed a dread lich
318228 | Zig:24   | Killed an ancient lich
318228 | Zig:24   | Killed a dread lich
318229 | Zig:24   | Killed an ancient lich
318229 | Zig:24   | Killed a dread lich
318229 | Zig:24   | Killed a dread lich
318229 | Zig:24   | Killed a dread lich
318229 | Zig:24   | Noticed a dread lich
318229 | Zig:24   | Noticed a dread lich
318229 | Zig:24   | Noticed a dread lich
318229 | Zig:24   | Noticed an ancient lich
318230 | Zig:24   | Noticed an ancient lich
318230 | Zig:24   | Noticed a dread lich
318230 | Zig:24   | Noticed a dread lich
318231 | Zig:24   | Noticed an ancient lich
318231 | Zig:24   | Noticed an ancient lich
318232 | Zig:24   | Killed a dread lich
318232 | Zig:24   | Killed a dread lich
318232 | Zig:24   | Noticed a dread lich
318232 | Zig:24   | Noticed a dread lich
318232 | Zig:24   | Noticed a dread lich
318233 | Zig:24   | Noticed an ancient lich
318234 | Zig:24   | Noticed a dread lich
318234 | Zig:24   | Noticed a dread lich
318234 | Zig:24   | Noticed an ancient lich
318235 | Zig:24   | Killed an ancient lich
318235 | Zig:24   | Killed an ancient lich
318235 | Zig:24   | Killed an ancient lich
318235 | Zig:24   | Killed an ancient lich
318235 | Zig:24   | Killed a dread lich
318235 | Zig:24   | Killed a dread lich
318235 | Zig:24   | Killed a dread lich
318235 | Zig:24   | Killed a dread lich
318235 | Zig:24   | Killed an ancient lich
318235 | Zig:24   | Noticed a dread lich
318235 | Zig:24   | Noticed a dread lich
318236 | Zig:24   | Noticed a dread lich
318238 | Zig:24   | Killed a dread lich
318238 | Zig:24   | Killed a dread lich
318238 | Zig:24   | Killed an ancient lich
318238 | Zig:24   | Killed a dread lich
318238 | Zig:24   | Killed a dread lich
318238 | Zig:24   | Noticed an ancient lich
318240 | Zig:24   | Killed a dread lich
318240 | Zig:24   | Killed a dread lich
318242 | Zig:24   | Noticed a dread lich
318243 | Zig:24   | Killed a dread lich
318243 | Zig:24   | Killed an ancient lich
318243 | Zig:24   | Killed a dread lich
318243 | Zig:24   | Noticed a dread lich
318245 | Zig:24   | Killed a dread lich
318247 | Zig:24   | Noticed a dread lich
318249 | Zig:24   | Killed a dread lich
318250 | Zig:24   | Noticed a dread lich
318252 | Zig:24   | Killed a dread lich
318846 | Zig:24   | Identified the +2 scale mail "Uphe" {rC+ Will- Regen+
                  | Dex+8}
318849 | Zig:24   | Identified the ring of Hiqe Tof {rElec rF+ rCorr Slay-2}
318855 | Zig:24   | Identified the ring "Inithrew" {rC+ Will- Int+6 Dex+5}
318891 | Zig:24   | Identified the amulet of Povur {rElec Regen+}
318912 | Zig:24   | Identified the +2 robe of Rationality {+Inv Int+3 Slay+2}
318915 | Zig:24   | Identified the +0 mace "Fokucw" {antimagic, rElec rPois
                  | rC+}
318921 | Zig:24   | Identified the +0 chain mail of Duaclol {Fly Will- rCorr}
318927 | Zig:24   | Identified the +5 plate armour of Wasted Space {Will+
                  | Int+3}
318947 | Zig:24   | Identified the +2 ring mail "Bykhum" {Str+2}
318951 | Zig:24   | Identified the +7 scale mail of Kiburin {rPois}
318964 | Zig:24   | Identified the +0 war axe of Eternity {elec, rN++ Dex-2}
319121 | Zig:25   | Entered Level 25 of a ziggurat
319125 | Zig:25   | Noticed an ancient lich
319125 | Zig:25   | Noticed a dread lich
319125 | Zig:25   | Noticed a dread lich
319125 | Zig:25   | Noticed an ancient lich
319125 | Zig:25   | Noticed an ancient lich
319126 | Zig:25   | Noticed an ancient lich
319126 | Zig:25   | Noticed a dread lich
319127 | Zig:25   | Noticed a dread lich
319127 | Zig:25   | Noticed a dread lich
319127 | Zig:25   | Noticed an ancient lich
319127 | Zig:25   | Noticed an ancient lich
319127 | Zig:25   | Noticed a dread lich
319127 | Zig:25   | Noticed an ancient lich
319127 | Zig:25   | Noticed an ancient lich
319129 | Zig:25   | Killed an ancient lich
319129 | Zig:25   | Killed a dread lich
319129 | Zig:25   | Killed a dread lich
319129 | Zig:25   | Killed a dread lich
319129 | Zig:25   | Killed an ancient lich
319129 | Zig:25   | Killed a dread lich
319129 | Zig:25   | Killed an ancient lich
319129 | Zig:25   | Killed a dread lich
319130 | Zig:25   | Noticed a dread lich
319130 | Zig:25   | Noticed an ancient lich
319130 | Zig:25   | Noticed an ancient lich
319130 | Zig:25   | Noticed an ancient lich
319130 | Zig:25   | Noticed an ancient lich
319130 | Zig:25   | Noticed a dread lich
319131 | Zig:25   | Noticed a dread lich
319132 | Zig:25   | Killed a dread lich
319132 | Zig:25   | Killed an ancient lich
319132 | Zig:25   | Killed an ancient lich
319132 | Zig:25   | Killed an ancient lich
319132 | Zig:25   | Killed an ancient lich
319132 | Zig:25   | Killed a dread lich
319132 | Zig:25   | Killed an ancient lich
319132 | Zig:25   | Killed an ancient lich
319132 | Zig:25   | Noticed an ancient lich
319132 | Zig:25   | Noticed a dread lich
319133 | Zig:25   | Noticed a dread lich
319133 | Zig:25   | Noticed a dread lich
319133 | Zig:25   | Noticed an ancient lich
319133 | Zig:25   | Noticed an ancient lich
319133 | Zig:25   | Noticed an ancient lich
319133 | Zig:25   | Noticed a dread lich
319133 | Zig:25   | Killed a dread lich
319134 | Zig:25   | Killed an ancient lich
319134 | Zig:25   | Killed an ancient lich
319134 | Zig:25   | Killed an ancient lich
319134 | Zig:25   | Killed a dread lich
319134 | Zig:25   | Killed a dread lich
319134 | Zig:25   | Killed a dread lich
319134 | Zig:25   | Killed a dread lich
319135 | Zig:25   | Noticed a dread lich
319135 | Zig:25   | Noticed a dread lich
319135 | Zig:25   | Noticed an ancient lich
319135 | Zig:25   | Noticed an ancient lich
319136 | Zig:25   | Noticed an ancient lich
319136 | Zig:25   | Noticed a dread lich
319136 | Zig:25   | Noticed an ancient lich
319136 | Zig:25   | Noticed an ancient lich
319136 | Zig:25   | Noticed a dread lich
319136 | Zig:25   | Noticed a dread lich
319136 | Zig:25   | Noticed a dread lich
319136 | Zig:25   | Noticed a dread lich
319136 | Zig:25   | Noticed an ancient lich
319137 | Zig:25   | Noticed an ancient lich
319137 | Zig:25   | Killed an ancient lich
319137 | Zig:25   | Killed an ancient lich
319137 | Zig:25   | Killed an ancient lich
319137 | Zig:25   | Killed an ancient lich
319137 | Zig:25   | Killed an ancient lich
319137 | Zig:25   | Killed an ancient lich
319137 | Zig:25   | Killed a dread lich
319137 | Zig:25   | Killed a dread lich
319137 | Zig:25   | Killed a dread lich
319137 | Zig:25   | Killed an ancient lich
319138 | Zig:25   | Noticed an ancient lich
319138 | Zig:25   | Noticed an ancient lich
319138 | Zig:25   | Noticed a dread lich
319138 | Zig:25   | Noticed a dread lich
319138 | Zig:25   | Noticed a dread lich
319138 | Zig:25   | Noticed an ancient lich
319138 | Zig:25   | Noticed an ancient lich
319138 | Zig:25   | Noticed a dread lich
319139 | Zig:25   | Noticed a dread lich
319139 | Zig:25   | Noticed an ancient lich
319139 | Zig:25   | Noticed a dread lich
319139 | Zig:25   | Noticed an ancient lich
319139 | Zig:25   | Noticed a dread lich
319139 | Zig:25   | Noticed a dread lich
319139 | Zig:25   | Noticed an ancient lich
319139 | Zig:25   | Noticed a dread lich
319139 | Zig:25   | Noticed a dread lich
319140 | Zig:25   | Noticed a dread lich
319140 | Zig:25   | Noticed a dread lich
319140 | Zig:25   | Noticed an ancient lich
319140 | Zig:25   | Killed a dread lich
319140 | Zig:25   | Killed an ancient lich
319140 | Zig:25   | Killed a dread lich
319140 | Zig:25   | Killed a dread lich
319140 | Zig:25   | Killed an ancient lich
319140 | Zig:25   | Killed an ancient lich
319140 | Zig:25   | Killed an ancient lich
319140 | Zig:25   | Killed a dread lich
319140 | Zig:25   | Killed a dread lich
319140 | Zig:25   | Killed an ancient lich
319140 | Zig:25   | Killed an ancient lich
319140 | Zig:25   | Killed a dread lich
319140 | Zig:25   | Killed a dread lich
319140 | Zig:25   | Killed a dread lich
319141 | Zig:25   | Killed a dread lich
319141 | Zig:25   | Killed an ancient lich
319141 | Zig:25   | Killed an ancient lich
319141 | Zig:25   | Killed a dread lich
319141 | Zig:25   | Killed a dread lich
319141 | Zig:25   | Killed an ancient lich
319141 | Zig:25   | Killed a dread lich
319141 | Zig:25   | Killed a dread lich
319141 | Zig:25   | Killed an ancient lich
319141 | Zig:25   | Killed an ancient lich
319141 | Zig:25   | Killed a dread lich
319141 | Zig:25   | Killed a dread lich
319141 | Zig:25   | Killed a dread lich
319141 | Zig:25   | Killed a dread lich
319141 | Zig:25   | Noticed a dread lich
319141 | Zig:25   | Noticed a dread lich
319141 | Zig:25   | Noticed an ancient lich
319141 | Zig:25   | Noticed an ancient lich
319141 | Zig:25   | Noticed an ancient lich
319141 | Zig:25   | Noticed a dread lich
319142 | Zig:25   | Noticed a dread lich
319143 | Zig:25   | Noticed a dread lich
319143 | Zig:25   | Noticed an ancient lich
319143 | Zig:25   | Noticed an ancient lich
319143 | Zig:25   | Noticed a dread lich
319143 | Zig:25   | Noticed a dread lich
319143 | Zig:25   | Noticed a dread lich
319143 | Zig:25   | Noticed a dread lich
319143 | Zig:25   | Noticed an ancient lich
319144 | Zig:25   | Noticed a dread lich
319144 | Zig:25   | Noticed an ancient lich
319144 | Zig:25   | Noticed an ancient lich
319144 | Zig:25   | Noticed an ancient lich
319144 | Zig:25   | Noticed a dread lich
319144 | Zig:25   | Noticed a dread lich
319144 | Zig:25   | Noticed an ancient lich
319144 | Zig:25   | Noticed a dread lich
319144 | Zig:25   | Noticed a dread lich
319145 | Zig:25   | Noticed an ancient lich
319145 | Zig:25   | Killed an ancient lich
319145 | Zig:25   | Killed a dread lich
319145 | Zig:25   | Killed an ancient lich
319145 | Zig:25   | Killed an ancient lich
319145 | Zig:25   | Killed an ancient lich
319145 | Zig:25   | Killed a dread lich
319146 | Zig:25   | Noticed a dread lich
319146 | Zig:25   | Noticed a dread lich
319146 | Zig:25   | Noticed a dread lich
319146 | Zig:25   | Noticed an ancient lich
319146 | Zig:25   | Noticed a dread lich
319146 | Zig:25   | Noticed a dread lich
319146 | Zig:25   | Noticed an ancient lich
319146 | Zig:25   | Noticed an ancient lich
319146 | Zig:25   | Noticed an ancient lich
319146 | Zig:25   | Noticed a dread lich
319146 | Zig:25   | Noticed an ancient lich
319147 | Zig:25   | Noticed a dread lich
319147 | Zig:25   | Noticed a dread lich
319147 | Zig:25   | Noticed a dread lich
319147 | Zig:25   | Noticed an ancient lich
319147 | Zig:25   | Noticed an ancient lich
319148 | Zig:25   | Killed a dread lich
319148 | Zig:25   | Killed an ancient lich
319148 | Zig:25   | Killed a dread lich
319148 | Zig:25   | Killed an ancient lich
319148 | Zig:25   | Killed an ancient lich
319148 | Zig:25   | Killed an ancient lich
319148 | Zig:25   | Killed a dread lich
319148 | Zig:25   | Killed a dread lich
319148 | Zig:25   | Killed a dread lich
319148 | Zig:25   | Killed a dread lich
319148 | Zig:25   | Killed a dread lich
319148 | Zig:25   | Killed an ancient lich
319148 | Zig:25   | Killed a dread lich
319148 | Zig:25   | Killed a dread lich
319148 | Zig:25   | Killed an ancient lich
319148 | Zig:25   | Noticed an ancient lich
319149 | Zig:25   | Killed an ancient lich
319149 | Zig:25   | Killed a dread lich
319149 | Zig:25   | Killed a dread lich
319149 | Zig:25   | Killed a dread lich
319149 | Zig:25   | Killed a dread lich
319149 | Zig:25   | Killed a dread lich
319149 | Zig:25   | Killed a dread lich
319149 | Zig:25   | Killed a dread lich
319149 | Zig:25   | Killed an ancient lich
319149 | Zig:25   | Killed a dread lich
319149 | Zig:25   | Killed an ancient lich
319149 | Zig:25   | Killed an ancient lich
319149 | Zig:25   | Killed a dread lich
319149 | Zig:25   | Killed an ancient lich
319149 | Zig:25   | Killed a dread lich
319149 | Zig:25   | Killed an ancient lich
319149 | Zig:25   | Killed an ancient lich
319149 | Zig:25   | Killed an ancient lich
319149 | Zig:25   | Killed an ancient lich
319149 | Zig:25   | Killed an ancient lich
319149 | Zig:25   | Noticed an ancient lich
319149 | Zig:25   | Noticed an ancient lich
319149 | Zig:25   | Noticed an ancient lich
319150 | Zig:25   | Noticed an ancient lich
319150 | Zig:25   | Noticed an ancient lich
319150 | Zig:25   | Noticed an ancient lich
319150 | Zig:25   | Noticed an ancient lich
319151 | Zig:25   | Noticed an ancient lich
319151 | Zig:25   | Noticed a dread lich
319151 | Zig:25   | Noticed a dread lich
319151 | Zig:25   | Noticed an ancient lich
319151 | Zig:25   | Noticed a dread lich
319151 | Zig:25   | Noticed a dread lich
319151 | Zig:25   | Noticed a dread lich
319151 | Zig:25   | Noticed a dread lich
319152 | Zig:25   | Noticed an ancient lich
319152 | Zig:25   | Killed a dread lich
319152 | Zig:25   | Killed a dread lich
319152 | Zig:25   | Noticed an ancient lich
319152 | Zig:25   | Noticed a dread lich
319152 | Zig:25   | Noticed a dread lich
319152 | Zig:25   | Noticed an ancient lich
319153 | Zig:25   | Noticed a dread lich
319153 | Zig:25   | Noticed an ancient lich
319153 | Zig:25   | Noticed a dread lich
319153 | Zig:25   | Noticed a dread lich
319153 | Zig:25   | Noticed a dread lich
319153 | Zig:25   | Noticed a dread lich
319153 | Zig:25   | Noticed an ancient lich
319153 | Zig:25   | Noticed a dread lich
319153 | Zig:25   | Noticed a dread lich
319154 | Zig:25   | Noticed an ancient lich
319155 | Zig:25   | Killed an ancient lich
319155 | Zig:25   | Killed an ancient lich
319155 | Zig:25   | Killed an ancient lich
319155 | Zig:25   | Killed a dread lich
319155 | Zig:25   | Killed an ancient lich
319155 | Zig:25   | Killed a dread lich
319155 | Zig:25   | Killed a dread lich
319155 | Zig:25   | Killed an ancient lich
319155 | Zig:25   | Killed a dread lich
319155 | Zig:25   | Killed an ancient lich
319155 | Zig:25   | Killed an ancient lich
319155 | Zig:25   | Killed an ancient lich
319155 | Zig:25   | Killed an ancient lich
319155 | Zig:25   | Killed a dread lich
319155 | Zig:25   | Killed a dread lich
319155 | Zig:25   | Killed an ancient lich
319155 | Zig:25   | Killed a dread lich
319155 | Zig:25   | Killed a dread lich
319155 | Zig:25   | Killed an ancient lich
319155 | Zig:25   | Killed a dread lich
319155 | Zig:25   | Killed a dread lich
319155 | Zig:25   | Noticed an ancient lich
319155 | Zig:25   | Noticed a dread lich
319155 | Zig:25   | Noticed a dread lich
319155 | Zig:25   | Noticed a dread lich
319156 | Zig:25   | Noticed a dread lich
319156 | Zig:25   | Noticed a dread lich
319156 | Zig:25   | Noticed an ancient lich
319156 | Zig:25   | Noticed a dread lich
319156 | Zig:25   | Noticed an ancient lich
319156 | Zig:25   | Noticed an ancient lich
319157 | Zig:25   | Noticed a dread lich
319157 | Zig:25   | Noticed a dread lich
319157 | Zig:25   | Noticed a dread lich
319158 | Zig:25   | Killed an ancient lich
319158 | Zig:25   | Killed a dread lich
319158 | Zig:25   | Killed a dread lich
319158 | Zig:25   | Killed an ancient lich
319158 | Zig:25   | Killed a dread lich
319158 | Zig:25   | Killed a dread lich
319158 | Zig:25   | Killed a dread lich
319158 | Zig:25   | Killed a dread lich
319158 | Zig:25   | Killed a dread lich
319158 | Zig:25   | Killed an ancient lich
319158 | Zig:25   | Killed a dread lich
319158 | Zig:25   | Killed a dread lich
319158 | Zig:25   | Killed a dread lich
319158 | Zig:25   | Noticed an ancient lich
319159 | Zig:25   | Noticed an ancient lich
319159 | Zig:25   | Noticed a dread lich
319159 | Zig:25   | Noticed a dread lich
319159 | Zig:25   | Noticed a dread lich
319160 | Zig:25   | Noticed a dread lich
319160 | Zig:25   | Noticed a dread lich
319160 | Zig:25   | Noticed a dread lich
319160 | Zig:25   | Noticed a dread lich
319161 | Zig:25   | Killed an ancient lich
319161 | Zig:25   | Killed a dread lich
319161 | Zig:25   | Killed a dread lich
319161 | Zig:25   | Killed an ancient lich
319161 | Zig:25   | Killed an ancient lich
319161 | Zig:25   | Killed an ancient lich
319161 | Zig:25   | Killed a dread lich
319161 | Zig:25   | Killed an ancient lich
319161 | Zig:25   | Killed a dread lich
319161 | Zig:25   | Killed a dread lich
319161 | Zig:25   | Killed a dread lich
319161 | Zig:25   | Noticed a dread lich
319161 | Zig:25   | Noticed a dread lich
319161 | Zig:25   | Noticed an ancient lich
319161 | Zig:25   | Noticed a dread lich
319161 | Zig:25   | Noticed an ancient lich
319163 | Zig:25   | Killed a dread lich
319163 | Zig:25   | Killed a dread lich
319163 | Zig:25   | Killed a dread lich
319163 | Zig:25   | Killed a dread lich
319163 | Zig:25   | Noticed a dread lich
319164 | Zig:25   | Noticed an ancient lich
319164 | Zig:25   | Noticed a dread lich
319165 | Zig:25   | Noticed a dread lich
319166 | Zig:25   | Killed an ancient lich
319166 | Zig:25   | Killed an ancient lich
319166 | Zig:25   | Killed an ancient lich
319166 | Zig:25   | Killed an ancient lich
319166 | Zig:25   | Killed a dread lich
319166 | Zig:25   | Killed a dread lich
319166 | Zig:25   | Killed a dread lich
319166 | Zig:25   | Killed a dread lich
319166 | Zig:25   | Killed a dread lich
319166 | Zig:25   | Killed a dread lich
319166 | Zig:25   | Noticed a dread lich
319168 | Zig:25   | Noticed an ancient lich
319168 | Zig:25   | Noticed an ancient lich
319169 | Zig:25   | Killed an ancient lich
319169 | Zig:25   | Killed a dread lich
319169 | Zig:25   | Killed a dread lich
319169 | Zig:25   | Killed an ancient lich
319169 | Zig:25   | Killed an ancient lich
319275 | Zig:25   | Identified the +0 arbalest of the Fae God {heavy, rF+ rC+}
319284 | Zig:25   | Identified the ring of Toenenoi {Ice Dex+2}
319306 | Zig:25   | Identified the ring of Darkness {AC+4 Slay+2}
319307 | Zig:25   | Identified the +6 spear of the Manifold Heavens {protect,
                  | Int+3}
319439 | Zig:25   | Identified the +6 spear of Dyiliemn {freeze, *Noise Dex+3}
319440 | Zig:25   | Identified the amulet "Juixek" {Regen+ Str+3}
319450 | Zig:25   | Identified the +0 pair of boots "Sontearch" {Fly rPois rC-
                  | Dex+3}
319454 | Zig:25   | Identified the +6 great sword of Doubt {speed, rElec Dex+4}
319460 | Zig:25   | Identified the +3 halberd of Okawaru's Pride {flame, Int+3
                  | Dex+3}
319462 | Zig:25   | Identified the amulet of Divine Compulsion {Faith rF+
                  | Str+3}
319516 | Zig:25   | Identified the +3 orcbow of Skirmishing {freeze, rN+}
319533 | Zig:25   | Identified the ring of Xaicaqip {Fly rF- Dex+3 Slay+2}
319589 | Zig:25   | Identified the staff "Riddeok" {rElec rPois Str-5 Ice
                  | Earth}
320187 | Zig:26   | Entered Level 26 of a ziggurat
320208 | Zig:26   | Noticed a dread lich
320209 | Zig:26   | Killed a dread lich
320244 | Zig:26   | Noticed an ancient lich
320246 | Zig:26   | Killed an ancient lich
320274 | Zig:26   | Noticed an ancient lich
320277 | Zig:26   | Noticed an ancient lich
320278 | Zig:26   | Killed an ancient lich
320278 | Zig:26   | Killed an ancient lich
321120 | Zig:26   | Identified the +4 orcbow "Ogrebane" {elec, MP+9}
321121 | Zig:26   | Identified the +3 war axe of Leeha {antimagic, Int+3}
321127 | Zig:26   | Identified the staff "King" {rElec Will+ Air Earth}
321128 | Zig:26   | Identified the ring "Egajuts" {rC+ Will+ MP+9}
321143 | Zig:26   | Identified the +9 hand axe of Peril {flame, rElec rN+
                  | Stlth+}
321144 | Zig:26   | Identified the +7 dagger "Demooxti" {venom, Str+6}
321148 | Zig:26   | Identified the +5 scale mail "Qiuvveast" {rF+ Str+3}
321151 | Zig:26   | Identified the +8 mace "Qyiteyta" {flame, rElec Str-2
                  | Stlth+}
321153 | Zig:26   | Identified the amulet "Zyxkiutt" {RegenMP rPois Slay+2}
321158 | Zig:26   | Identified the ring of Duhush {rPois rCorr Str+3 Int-2}
321160 | Zig:26   | Identified the +1 robe "Wiag" {^Drain rElec rPois}
321163 | Zig:26   | Identified the +2 dagger "Hafimar" {protect, rC+ rN+ Str+2
                  | Int+2}
321202 | Zig:26   | Identified the staff of Action {rPois Earth}
321205 | Zig:26   | Identified the +11 scimitar of Vengeance {protect, rElec
                  | rCorr Stlth+}
321216 | Zig:26   | Identified the ring "Pifa Red" {rF- rCorr MP+9 Int+7}
321222 | Zig:26   | Identified the +3 arbalest of Dung {flame, rF- rN++ Will++}
321233 | Zig:26   | Identified the staff "Arcanum" {rC+ Will++ Dex-4 Ice Air
                  | Alchemy}
321351 | Zig:27   | Entered Level 27 of a ziggurat
321744 | Zig:27   | Identified the ring of Nubb {rC+ Int+6 Dex+4}
321746 | Zig:27   | Identified the ring "Wumoamuw" {rElec rF+ rC+ Int-2 Dex+3}
321768 | Zig:27   | Identified the +9 orcbow of the Brewing Gods {freeze, Str+2
                  | Int+3}
321772 | Zig:27   | Identified the +4 quarterstaff of the Boiling Point {flame,
                  | *Rage rN+ Dex+2}
321773 | Zig:27   | Identified the +6 orcbow of Impeachment {flame, rC+ rN+
                  | SInv}
321782 | Zig:27   | Identified the staff "Isyeshopp" {rC+ rN+ Will+ Dex+2 Ice}
321791 | Zig:27   | Identified the +8 flail "Vuku" {heavy, rElec Dex+2}
321808 | Zig:27   | Identified the ring of Yredelemnul's Whim {Fire rN+ Int+4}
321934 | Zig:27   | Identified the +4 robe "Cuis" {Will+}
322547 | Depths:3 | Acquired 576 gold pieces
322549 | Depths:3 | Acquired 763 gold pieces
322551 | Depths:3 | Acquired 821 gold pieces
322670 | Depths:3 | Lost mutation: Your mind is acute. (Int +4, Str/Dex -1)
                  | [potion of mutation]
322670 | Depths:3 | Lost mutation: You are agile. (Dex +4, Str/Int -1) [potion
                  | of mutation]
322670 | Depths:3 | Gained mutation: You are partially covered in iridescent
                  | scales. (AC +2) [potion of mutation]
322671 | Depths:3 | Lost mutation: You are partially covered in iridescent
                  | scales. (AC +2) [potion of mutation]
322671 | Depths:3 | Gained mutation: You occasionally lose the ability to read
                  | scrolls when taking damage. [potion of mutation]
322671 | Depths:3 | Gained mutation: You have an increased reservoir of magic.
                  | (+10% MP) [potion of mutation]
322671 | Depths:3 | Gained mutation: You have large cloven feet. [potion of
                  | mutation]
322672 | Depths:3 | Lost mutation: You have large cloven feet. [potion of
                  | mutation]
322672 | Depths:3 | Lost mutation: You have an increased reservoir of magic.
                  | (+10% MP) [potion of mutation]
322672 | Depths:3 | Gained mutation: Your natural rate of healing is unusually
                  | fast. [potion of mutation]
322672 | Depths:3 | Gained mutation: You are strong-willed. (Will+) [potion of
                  | mutation]
322673 | Depths:3 | Lost mutation: You occasionally lose the ability to read
                  | scrolls when taking damage. [potion of mutation]
322673 | Depths:3 | Lost mutation: Your natural rate of healing is unusually
                  | fast. [potion of mutation]
322673 | Depths:3 | Gained mutation: Armour fits poorly on your strangely
                  | shaped body. [potion of mutation]
322673 | Depths:3 | Gained mutation: Your body sometimes deteriorates upon
                  | taking damage. [potion of mutation]
322674 | Depths:3 | Lost mutation: Armour fits poorly on your strangely shaped
                  | body. [potion of mutation]
322674 | Depths:3 | Lost mutation: You are strong-willed. (Will+) [potion of
                  | mutation]
322674 | Depths:3 | Lost mutation: Your body sometimes deteriorates upon taking
                  | damage. [potion of mutation]
322674 | Depths:3 | Gained mutation: Armour fits poorly on your strangely
                  | shaped body. [potion of mutation]
322674 | Depths:3 | Gained mutation: You have a beak for a mouth. [potion of
                  | mutation]
322674 | Depths:3 | Gained mutation: You have an increased reservoir of magic.
                  | (+10% MP) [potion of mutation]
322674 | Depths:3 | Gained mutation: Your natural rate of healing is unusually
                  | fast. [potion of mutation]
322675 | Depths:3 | Lost mutation: Your natural rate of healing is unusually
                  | fast. [potion of mutation]
322675 | Depths:3 | Lost mutation: Armour fits poorly on your strangely shaped
                  | body. [potion of mutation]
322675 | Depths:3 | Gained mutation: You have sharp toenails. [potion of
                  | mutation]
322675 | Depths:3 | Gained mutation: You are agile. (Dex +4, Str/Int -1)
                  | [potion of mutation]
322676 | Depths:3 | Lost mutation: You have sharp toenails. [potion of
                  | mutation]
322676 | Depths:3 | Lost mutation: You are agile. (Dex +4, Str/Int -1) [potion
                  | of mutation]
322676 | Depths:3 | Lost mutation: You have a beak for a mouth. [potion of
                  | mutation]
322676 | Depths:3 | Gained mutation: Your natural rate of healing is unusually
                  | fast. [potion of mutation]
322676 | Depths:3 | Gained mutation: You sometimes lose your temper in combat.
                  | [potion of mutation]
322676 | Depths:3 | Gained mutation: You have sharp toenails. [potion of
                  | mutation]
322677 | Depths:3 | Lost mutation: Your natural rate of healing is unusually
                  | fast. [potion of mutation]
322677 | Depths:3 | Lost mutation: You have sharp toenails. [potion of
                  | mutation]
322677 | Depths:3 | Gained mutation: Armour fits poorly on your strangely
                  | shaped body. [potion of mutation]
322677 | Depths:3 | Lost mutation: You have an increased reservoir of magic.
                  | (+10% MP) [potion of mutation]
322678 | Depths:3 | Lost mutation: Armour fits poorly on your strangely shaped
                  | body. [potion of mutation]
322678 | Depths:3 | Lost mutation: You sometimes lose your temper in combat.
                  | [potion of mutation]
322678 | Depths:3 | Gained mutation: Your mind is acute. (Int +4, Str/Dex -1)
                  | [potion of mutation]
322678 | Depths:3 | Gained mutation: You are strong-willed. (Will+) [potion of
                  | mutation]
322679 | Depths:3 | Lost mutation: You are strong-willed. (Will+) [potion of
                  | mutation]
322679 | Depths:3 | Lost mutation: Your mind is acute. (Int +4, Str/Dex -1)
                  | [potion of mutation]
322679 | Depths:3 | Gained mutation: You are partially covered in iridescent
                  | scales. (AC +2) [potion of mutation]
322679 | Depths:3 | Gained mutation: You are frail. (-10% HP) [potion of
                  | mutation]
322679 | Depths:3 | Gained mutation: You are weak. (Str -2) [potion of
                  | mutation]
322679 | Depths:3 | Gained mutation: You have supernaturally acute eyesight.
                  | (SInv) [potion of mutation]
322680 | Depths:3 | Lost mutation: You are frail. (-10% HP) [potion of
                  | mutation]
322680 | Depths:3 | Lost mutation: You are partially covered in iridescent
                  | scales. (AC +2) [potion of mutation]
322680 | Depths:3 | Gained mutation: You have a pair of small antennae on your
                  | head. [potion of mutation]
322680 | Depths:3 | Gained mutation: You possess an exceptional clarity of
                  | mind. [potion of mutation]
322680 | Depths:3 | Gained mutation: Your mind is acute. (Int +4, Str/Dex -1)
                  | [potion of mutation]
322680 | Depths:3 | Gained mutation: You expend magic power (3 MP) to
                  | strengthen your wands. [potion of mutation]
322682 | Depths:3 | Lost mutation: You have supernaturally acute eyesight.
                  | (SInv) [potion of mutation]
322682 | Depths:3 | Lost mutation: Your mind is acute. (Int +4, Str/Dex -1)
                  | [potion of mutation]
322682 | Depths:3 | Lost mutation: You are weak. (Str -2) [potion of mutation]
322682 | Depths:3 | Gained mutation: You are frail. (-10% HP) [potion of
                  | mutation]
322682 | Depths:3 | Gained mutation: Armour fits poorly on your strangely
                  | shaped body. [potion of mutation]
322683 | Depths:3 | Lost mutation: You possess an exceptional clarity of mind.
                  | [potion of mutation]
322683 | Depths:3 | Lost mutation: You expend magic power (3 MP) to strengthen
                  | your wands. [potion of mutation]
322683 | Depths:3 | Gained mutation: Your spells are a little harder to cast,
                  | but a little more powerful. [potion of mutation]
322684 | Depths:3 | Lost mutation: You are frail. (-10% HP) [potion of
                  | mutation]
322684 | Depths:3 | Lost mutation: Armour fits poorly on your strangely shaped
                  | body. [potion of mutation]
322684 | Depths:3 | Lost mutation: Your spells are a little harder to cast, but
                  | a little more powerful. [potion of mutation]
322684 | Depths:3 | Gained mutation: Your spells are a little easier to cast,
                  | but a little less powerful. [potion of mutation]
322685 | Depths:3 | Lost mutation: You have a pair of small antennae on your
                  | head. [potion of mutation]
322685 | Depths:3 | Lost mutation: Your spells are a little easier to cast, but
                  | a little less powerful. [potion of mutation]
322685 | Depths:3 | Gained mutation: You have a pair of small horns on your
                  | head. [potion of mutation]
322686 | Depths:3 | Lost mutation: You have a pair of small horns on your head.
                  | [potion of mutation]
322686 | Depths:3 | Gained mutation: Armour fits poorly on your strangely
                  | shaped body. [potion of mutation]
322686 | Depths:3 | Gained mutation: Your mind is acute. (Int +4, Str/Dex -1)
                  | [potion of mutation]
322687 | Depths:3 | Lost mutation: Armour fits poorly on your strangely shaped
                  | body. [potion of mutation]
322687 | Depths:3 | Lost mutation: Your mind is acute. (Int +4, Str/Dex -1)
                  | [potion of mutation]
322687 | Depths:3 | Gained mutation: You sometimes lose your temper in combat.
                  | [potion of mutation]
322688 | Depths:3 | Lost mutation: You sometimes lose your temper in combat.
                  | [potion of mutation]
322688 | Depths:3 | Gained mutation: Your magical capacity is low. (-10% MP)
                  | [potion of mutation]
322688 | Depths:3 | Gained mutation: You occasionally shout uncontrollably at
                  | your foes. [potion of mutation]
322689 | Depths:3 | Lost mutation: Your magical capacity is low. (-10% MP)
                  | [potion of mutation]
322689 | Depths:3 | Lost mutation: You occasionally shout uncontrollably at
                  | your foes. [potion of mutation]
322689 | Depths:3 | Gained mutation: You expend magic power (3 MP) to
                  | strengthen your wands. [potion of mutation]
322689 | Depths:3 | Gained mutation: Your spells are a little easier to cast,
                  | but a little less powerful. [potion of mutation]
322689 | Depths:3 | Gained mutation: Your natural rate of healing is unusually
                  | fast. [potion of mutation]
322690 | Depths:3 | Lost mutation: You expend magic power (3 MP) to strengthen
                  | your wands. [potion of mutation]
322690 | Depths:3 | Lost mutation: Your natural rate of healing is unusually
                  | fast. [potion of mutation]
322690 | Depths:3 | Gained mutation: You possess an exceptional clarity of
                  | mind. [potion of mutation]
322690 | Depths:3 | Gained mutation: You are somewhat resistant to further
                  | mutation. [potion of mutation]
322691 | Depths:3 | Lost mutation: You are somewhat resistant to further
                  | mutation. [potion of mutation]
322691 | Depths:3 | Lost mutation: You possess an exceptional clarity of mind.
                  | [potion of mutation]
322691 | Depths:3 | Lost mutation: Your spells are a little easier to cast, but
                  | a little less powerful. [potion of mutation]
322691 | Depths:3 | Gained mutation: You are robust. (+10% HP) [potion of
                  | mutation]
322691 | Depths:3 | Gained mutation: Your body sometimes deteriorates upon
                  | taking damage. [potion of mutation]
322692 | Depths:3 | Lost mutation: You are robust. (+10% HP) [potion of
                  | mutation]
322692 | Depths:3 | Lost mutation: Your body sometimes deteriorates upon taking
                  | damage. [potion of mutation]
322692 | Depths:3 | Gained mutation: You occasionally lose the ability to drink
                  | potions when taking damage. [potion of mutation]
322693 | Depths:3 | Lost mutation: You occasionally lose the ability to drink
                  | potions when taking damage. [potion of mutation]
322693 | Depths:3 | Gained mutation: You are covered in fur. (AC +1) [potion of
                  | mutation]
322693 | Depths:3 | Gained mutation: You have a pair of small antennae on your
                  | head. [potion of mutation]
322694 | Depths:3 | Lost mutation: You are covered in fur. (AC +1) [potion of
                  | mutation]
322694 | Depths:3 | Lost mutation: You have a pair of small antennae on your
                  | head. [potion of mutation]
322694 | Depths:3 | Gained mutation: Your mind is acute. (Int +4, Str/Dex -1)
                  | [potion of mutation]
322694 | Depths:3 | Gained mutation: You are vulnerable to cold. (rC-) [potion
                  | of mutation]
322695 | Depths:3 | Lost mutation: Your mind is acute. (Int +4, Str/Dex -1)
                  | [potion of mutation]
322695 | Depths:3 | Lost mutation: You are vulnerable to cold. (rC-) [potion of
                  | mutation]
322695 | Depths:3 | Gained mutation: You passively map a small area around you.
                  | [potion of mutation]
322695 | Depths:3 | Gained mutation: You are covered in fur. (AC +1) [potion of
                  | mutation]
322695 | Depths:3 | Gained mutation: Your muscles are strong. (Str +4, Int/Dex
                  | -1) [potion of mutation]
322696 | Depths:3 | Lost mutation: Your muscles are strong. (Str +4, Int/Dex
                  | -1) [potion of mutation]
322696 | Depths:3 | Lost mutation: You passively map a small area around you.
                  | [potion of mutation]
322696 | Depths:3 | Gained mutation: You possess an exceptional clarity of
                  | mind. [potion of mutation]
322696 | Depths:3 | Gained mutation: You have hidden genetic defects. [potion
                  | of mutation]
322696 | Depths:3 | Gained mutation: You are frail. (-10% HP) [potion of
                  | mutation]
322696 | Depths:3 | Gained mutation: You are partially covered in iridescent
                  | scales. (AC +2) [potion of mutation]
322697 | Depths:3 | Lost mutation: You are covered in fur. (AC +1) [potion of
                  | mutation]
322697 | Depths:3 | Lost mutation: You are frail. (-10% HP) [potion of
                  | mutation]
322697 | Depths:3 | Gained mutation: You are frail. (-10% HP) [potion of
                  | mutation]
322697 | Depths:3 | Gained mutation: Your flesh is heat resistant. (rF+)
                  | [potion of mutation]
322697 | Depths:3 | Gained mutation: You have sharp toenails. [potion of
                  | mutation]
322698 | Depths:3 | Lost mutation: You have sharp toenails. [potion of
                  | mutation]
322698 | Depths:3 | Lost mutation: You have hidden genetic defects. [potion of
                  | mutation]
322698 | Depths:3 | Gained mutation: You expend magic power (3 MP) to
                  | strengthen your wands. [potion of mutation]
322698 | Depths:3 | Lost mutation: Your flesh is heat resistant. (rF+) [potion
                  | of mutation]
322698 | Depths:3 | Gained mutation: You are very frail. (-20% HP) [potion of
                  | mutation]
322698 | Depths:3 | Gained mutation: You have large cloven feet. [potion of
                  | mutation]
322699 | Depths:3 | Lost mutation: You are very frail. (-20% HP) [potion of
                  | mutation]
322699 | Depths:3 | Lost mutation: You expend magic power (3 MP) to strengthen
                  | your wands. [potion of mutation]
322699 | Depths:3 | Gained mutation: You are very frail. (-20% HP) [potion of
                  | mutation]
322699 | Depths:3 | Lost mutation: You possess an exceptional clarity of mind.
                  | [potion of mutation]
322700 | Depths:3 | Lost mutation: You have large cloven feet. [potion of
                  | mutation]
322700 | Depths:3 | Lost mutation: You are very frail. (-20% HP) [potion of
                  | mutation]
322700 | Depths:3 | Lost mutation: You are frail. (-10% HP) [potion of
                  | mutation]
322700 | Depths:3 | Gained mutation: You are mostly covered in iridescent
                  | scales. (AC +4) [potion of mutation]
322700 | Depths:3 | Gained mutation: You are vulnerable to heat. (rF-) [potion
                  | of mutation]
322700 | Depths:3 | Gained mutation: You possess an exceptional clarity of
                  | mind. [potion of mutation]
322701 | Depths:3 | Lost mutation: You are vulnerable to heat. (rF-) [potion of
                  | mutation]
322701 | Depths:3 | Lost mutation: You possess an exceptional clarity of mind.
                  | [potion of mutation]
322701 | Depths:3 | Gained mutation: You are completely covered in iridescent
                  | scales. (AC +6) [potion of mutation]
322702 | Depths:3 | Lost mutation: You are completely covered in iridescent
                  | scales. (AC +6) [potion of mutation]
322702 | Depths:3 | Lost mutation: You are mostly covered in iridescent scales.
                  | (AC +4) [potion of mutation]
322702 | Depths:3 | Lost mutation: You are partially covered in iridescent
                  | scales. (AC +2) [potion of mutation]
322702 | Depths:3 | Gained mutation: Armour fits poorly on your strangely
                  | shaped body. [potion of mutation]
322703 | Depths:3 | Lost mutation: Armour fits poorly on your strangely shaped
                  | body. [potion of mutation]
322703 | Depths:3 | Gained mutation: You are vulnerable to heat. (rF-) [potion
                  | of mutation]
322703 | Depths:3 | Gained mutation: You are partially covered in iridescent
                  | scales. (AC +2) [potion of mutation]
322704 | Depths:3 | Lost mutation: You are vulnerable to heat. (rF-) [potion of
                  | mutation]
322704 | Depths:3 | Lost mutation: You are partially covered in iridescent
                  | scales. (AC +2) [potion of mutation]
322704 | Depths:3 | Gained mutation: Your magical capacity is low. (-10% MP)
                  | [potion of mutation]
322704 | Depths:3 | Gained mutation: Your mind is acute. (Int +4, Str/Dex -1)
                  | [potion of mutation]
322705 | Depths:3 | Lost mutation: Your mind is acute. (Int +4, Str/Dex -1)
                  | [potion of mutation]
322705 | Depths:3 | Lost mutation: Your magical capacity is low. (-10% MP)
                  | [potion of mutation]
322705 | Depths:3 | Gained mutation: Armour fits poorly on your strangely
                  | shaped body. [potion of mutation]
322705 | Depths:3 | Gained mutation: You are dopey. (Int -2) [potion of
                  | mutation]
322705 | Depths:3 | Lost mutation: You are dopey. (Int -2) [potion of mutation]
322706 | Depths:3 | Lost mutation: Armour fits poorly on your strangely shaped
                  | body. [potion of mutation]
322706 | Depths:3 | Gained mutation: You passively map a small area around you.
                  | [potion of mutation]
322706 | Depths:3 | Gained mutation: Your muscles are strong. (Str +4, Int/Dex
                  | -1) [potion of mutation]
322706 | Depths:3 | Gained mutation: Your natural rate of healing is unusually
                  | fast. [potion of mutation]
322707 | Depths:3 | Lost mutation: Your muscles are strong. (Str +4, Int/Dex
                  | -1) [potion of mutation]
322707 | Depths:3 | Lost mutation: You passively map a small area around you.
                  | [potion of mutation]
322707 | Depths:3 | Gained mutation: You are vulnerable to cold. (rC-) [potion
                  | of mutation]
322707 | Depths:3 | Gained mutation: Your muscles are strong. (Str +4, Int/Dex
                  | -1) [potion of mutation]
322708 | Depths:3 | Lost mutation: Your muscles are strong. (Str +4, Int/Dex
                  | -1) [potion of mutation]
322708 | Depths:3 | Lost mutation: You are vulnerable to cold. (rC-) [potion of
                  | mutation]
322708 | Depths:3 | Gained mutation: You have a beak for a mouth. [potion of
                  | mutation]
322708 | Depths:3 | Gained mutation: You are clumsy. (Dex -2) [potion of
                  | mutation]
322708 | Depths:3 | Gained mutation: You heal very quickly. [potion of
                  | mutation]
322709 | Depths:3 | Lost mutation: You have a beak for a mouth. [potion of
                  | mutation]
322709 | Depths:3 | Lost mutation: You are clumsy. (Dex -2) [potion of
                  | mutation]
322709 | Depths:3 | Gained mutation: Your muscles are strong. (Str +4, Int/Dex
                  | -1) [potion of mutation]
322709 | Depths:3 | Gained mutation: You are partially covered in iridescent
                  | scales. (AC +2) [potion of mutation]
322710 | Depths:3 | Lost mutation: Your muscles are strong. (Str +4, Int/Dex
                  | -1) [potion of mutation]
322710 | Depths:3 | Lost mutation: You heal very quickly. [potion of mutation]
322710 | Depths:3 | Lost mutation: Your natural rate of healing is unusually
                  | fast. [potion of mutation]
322710 | Depths:3 | Gained mutation: You have large cloven feet. [potion of
                  | mutation]
322710 | Depths:3 | Gained mutation: You are mostly covered in iridescent
                  | scales. (AC +4) [potion of mutation]
322710 | Depths:3 | Gained mutation: Your mind is acute. (Int +4, Str/Dex -1)
                  | [potion of mutation]
322711 | Depths:3 | Lost mutation: Your mind is acute. (Int +4, Str/Dex -1)
                  | [potion of mutation]
322711 | Depths:3 | Lost mutation: You have large cloven feet. [potion of
                  | mutation]
322711 | Depths:3 | Gained mutation: You have a beak for a mouth. [potion of
                  | mutation]
322711 | Depths:3 | Gained mutation: You have a somewhat thin skeletal
                  | structure. (Dex +2, Stealth+) [potion of mutation]
322711 | Depths:3 | Gained mutation: Your body sometimes deteriorates upon
                  | taking damage. [potion of mutation]
322711 | Depths:3 | Gained mutation: You expend magic power (3 MP) to
                  | strengthen your wands. [potion of mutation]
322712 | Depths:3 | Lost mutation: You expend magic power (3 MP) to strengthen
                  | your wands. [potion of mutation]
322712 | Depths:3 | Lost mutation: Your body sometimes deteriorates upon taking
                  | damage. [potion of mutation]
322712 | Depths:3 | Lost mutation: You have a beak for a mouth. [potion of
                  | mutation]
322712 | Depths:3 | Gained mutation: You have a pair of small horns on your
                  | head. [potion of mutation]
322712 | Depths:3 | Gained mutation: You are weak. (Str -2) [potion of
                  | mutation]
322713 | Depths:3 | Lost mutation: You are mostly covered in iridescent scales.
                  | (AC +4) [potion of mutation]
322713 | Depths:3 | Lost mutation: You have a pair of small horns on your head.
                  | [potion of mutation]
322713 | Depths:3 | Gained mutation: You possess an exceptional clarity of
                  | mind. [potion of mutation]
322714 | Depths:3 | Lost mutation: You possess an exceptional clarity of mind.
                  | [potion of mutation]
322714 | Depths:3 | Lost mutation: You are weak. (Str -2) [potion of mutation]
322714 | Depths:3 | Lost mutation: You are partially covered in iridescent
                  | scales. (AC +2) [potion of mutation]
322714 | Depths:3 | Gained mutation: You occasionally lose the ability to drink
                  | potions when taking damage. [potion of mutation]
322714 | Depths:3 | Gained mutation: You have hidden genetic defects. [potion
                  | of mutation]
322714 | Depths:3 | Gained mutation: Your body sometimes deteriorates upon
                  | taking damage. [potion of mutation]
322714 | Depths:3 | Lost mutation: You have hidden genetic defects. [potion of
                  | mutation]
322715 | Depths:3 | Lost mutation: You have a somewhat thin skeletal structure.
                  | (Dex +2, Stealth+) [potion of mutation]
322715 | Depths:3 | Lost mutation: You occasionally lose the ability to drink
                  | potions when taking damage. [potion of mutation]
322715 | Depths:3 | Gained mutation: You occasionally lose the ability to drink
                  | potions when taking damage. [potion of mutation]
322715 | Depths:3 | Gained mutation: You are clumsy. (Dex -2) [potion of
                  | mutation]
322715 | Depths:3 | Gained mutation: You sometimes lose your temper in combat.
                  | [potion of mutation]
322715 | Depths:3 | Gained mutation: You are somewhat resistant to further
                  | mutation. [potion of mutation]
322716 | Depths:3 | Lost mutation: You sometimes lose your temper in combat.
                  | [potion of mutation]
322716 | Depths:3 | Lost mutation: You are clumsy. (Dex -2) [potion of
                  | mutation]
322716 | Depths:3 | Lost mutation: You are somewhat resistant to further
                  | mutation. [potion of mutation]
322716 | Depths:3 | Gained mutation: Your spells are a little easier to cast,
                  | but a little less powerful. [potion of mutation]
322716 | Depths:3 | Lost mutation: Your spells are a little easier to cast, but
                  | a little less powerful. [potion of mutation]
322717 | Depths:3 | Lost mutation: You occasionally lose the ability to drink
                  | potions when taking damage. [potion of mutation]
322717 | Depths:3 | Lost mutation: Your body sometimes deteriorates upon taking
                  | damage. [potion of mutation]
322717 | Depths:3 | Gained mutation: You are agile. (Dex +4, Str/Int -1)
                  | [potion of mutation]
322717 | Depths:3 | Gained mutation: You are frail. (-10% HP) [potion of
                  | mutation]
322717 | Depths:3 | Gained mutation: You have sharp fingernails. [potion of
                  | mutation]
322718 | Depths:3 | Lost mutation: You are frail. (-10% HP) [potion of
                  | mutation]
322718 | Depths:3 | Lost mutation: You are agile. (Dex +4, Str/Int -1) [potion
                  | of mutation]
322718 | Depths:3 | Lost mutation: You have sharp fingernails. [potion of
                  | mutation]
322718 | Depths:3 | Gained mutation: You have a pair of small antennae on your
                  | head. [potion of mutation]
322718 | Depths:3 | Gained mutation: You are agile. (Dex +4, Str/Int -1)
                  | [potion of mutation]
322718 | Depths:3 | Gained mutation: You have sharp toenails. [potion of
                  | mutation]
322719 | Depths:3 | Lost mutation: You are agile. (Dex +4, Str/Int -1) [potion
                  | of mutation]
322719 | Depths:3 | Lost mutation: You have sharp toenails. [potion of
                  | mutation]
322719 | Depths:3 | Gained mutation: You are agile. (Dex +4, Str/Int -1)
                  | [potion of mutation]
322720 | Depths:3 | Lost mutation: You are agile. (Dex +4, Str/Int -1) [potion
                  | of mutation]
322720 | Depths:3 | Lost mutation: You have a pair of small antennae on your
                  | head. [potion of mutation]
322720 | Depths:3 | Gained mutation: Your muscles are strong. (Str +4, Int/Dex
                  | -1) [potion of mutation]
322721 | Depths:3 | Lost mutation: Your muscles are strong. (Str +4, Int/Dex
                  | -1) [potion of mutation]
322721 | Depths:3 | Gained mutation: Your body sometimes deteriorates upon
                  | taking damage. [potion of mutation]
322721 | Depths:3 | Gained mutation: You occasionally shout uncontrollably at
                  | your foes. [potion of mutation]
322721 | Depths:3 | Gained mutation: You sometimes lose your temper in combat.
                  | [potion of mutation]
322721 | Depths:3 | Gained mutation: You have sharp toenails. [potion of
                  | mutation]
322722 | Depths:3 | Lost mutation: Your body sometimes deteriorates upon taking
                  | damage. [potion of mutation]
322722 | Depths:3 | Lost mutation: You have sharp toenails. [potion of
                  | mutation]
322722 | Depths:3 | Lost mutation: You sometimes lose your temper in combat.
                  | [potion of mutation]
322722 | Depths:3 | Gained mutation: You are partially covered in iridescent
                  | scales. (AC +2) [potion of mutation]
322722 | Depths:3 | Gained mutation: Your health recovers twice as slowly from
                  | being drained. [potion of mutation]
322722 | Depths:3 | Gained mutation: You have a pair of small horns on your
                  | head. [potion of mutation]
322723 | Depths:3 | Lost mutation: Your health recovers twice as slowly from
                  | being drained. [potion of mutation]
322723 | Depths:3 | Lost mutation: You are partially covered in iridescent
                  | scales. (AC +2) [potion of mutation]
322723 | Depths:3 | Gained mutation: Your body sometimes deteriorates upon
                  | taking damage. [potion of mutation]
322723 | Depths:3 | Gained mutation: Your magical capacity is low. (-10% MP)
                  | [potion of mutation]
322724 | Depths:3 | Lost mutation: Your magical capacity is low. (-10% MP)
                  | [potion of mutation]
322724 | Depths:3 | Lost mutation: Your body sometimes deteriorates upon taking
                  | damage. [potion of mutation]
322724 | Depths:3 | Lost mutation: You have a pair of small horns on your head.
                  | [potion of mutation]
322724 | Depths:3 | Gained mutation: You possess an exceptional clarity of
                  | mind. [potion of mutation]
322724 | Depths:3 | Gained mutation: Your muscles are strong. (Str +4, Int/Dex
                  | -1) [potion of mutation]
322725 | Depths:3 | Lost mutation: You possess an exceptional clarity of mind.
                  | [potion of mutation]
322725 | Depths:3 | Lost mutation: You occasionally shout uncontrollably at
                  | your foes. [potion of mutation]
322725 | Depths:3 | Lost mutation: Your muscles are strong. (Str +4, Int/Dex
                  | -1) [potion of mutation]
322725 | Depths:3 | Gained mutation: You are vulnerable to heat. (rF-) [potion
                  | of mutation]
322725 | Depths:3 | Gained mutation: You are partially covered in iridescent
                  | scales. (AC +2) [potion of mutation]
322726 | Depths:3 | Lost mutation: You are partially covered in iridescent
                  | scales. (AC +2) [potion of mutation]
322726 | Depths:3 | Lost mutation: You are vulnerable to heat. (rF-) [potion of
                  | mutation]
322726 | Depths:3 | Gained mutation: You are dopey. (Int -2) [potion of
                  | mutation]
322727 | Depths:3 | Lost mutation: You are dopey. (Int -2) [potion of mutation]
322727 | Depths:3 | Gained mutation: You have hidden genetic potential. [potion
                  | of mutation]
322727 | Depths:3 | Gained mutation: Your spells are a little harder to cast,
                  | but a little more powerful. [potion of mutation]
322728 | Depths:3 | Lost mutation: You have hidden genetic potential. [potion
                  | of mutation]
322728 | Depths:3 | Lost mutation: Your spells are a little harder to cast, but
                  | a little more powerful. [potion of mutation]
322728 | Depths:3 | Gained mutation: Your magical capacity is low. (-10% MP)
                  | [potion of mutation]
322728 | Depths:3 | Gained mutation: You are strong-willed. (Will+) [potion of
                  | mutation]
322729 | Depths:3 | Lost mutation: You are strong-willed. (Will+) [potion of
                  | mutation]
322729 | Depths:3 | Lost mutation: Your magical capacity is low. (-10% MP)
                  | [potion of mutation]
322729 | Depths:3 | Gained mutation: You have hidden genetic defects. [potion
                  | of mutation]
322729 | Depths:3 | Lost mutation: You have hidden genetic defects. [potion of
                  | mutation]
322730 | Depths:3 | Gained mutation: You possess an exceptional clarity of
                  | mind. [potion of mutation]
322730 | Depths:3 | Gained mutation: Your muscles are strong. (Str +4, Int/Dex
                  | -1) [potion of mutation]
322731 | Depths:3 | Lost mutation: You possess an exceptional clarity of mind.
                  | [potion of mutation]
322731 | Depths:3 | Lost mutation: Your muscles are strong. (Str +4, Int/Dex
                  | -1) [potion of mutation]
322731 | Depths:3 | Gained mutation: You have sharp toenails. [potion of
                  | mutation]
322732 | Depths:3 | Lost mutation: You have sharp toenails. [potion of
                  | mutation]
322732 | Depths:3 | Gained mutation: You are weak. (Str -2) [potion of
                  | mutation]
322733 | Depths:3 | Lost mutation: You are weak. (Str -2) [potion of mutation]
322733 | Depths:3 | Gained mutation: Your mind is acute. (Int +4, Str/Dex -1)
                  | [potion of mutation]
322733 | Depths:3 | Gained mutation: You are partially covered in iridescent
                  | scales. (AC +2) [potion of mutation]
322734 | Depths:3 | Lost mutation: You are partially covered in iridescent
                  | scales. (AC +2) [potion of mutation]
322734 | Depths:3 | Lost mutation: Your mind is acute. (Int +4, Str/Dex -1)
                  | [potion of mutation]
322734 | Depths:3 | Gained mutation: You are weak. (Str -2) [potion of
                  | mutation]
322734 | Depths:3 | Gained mutation: You expend magic power (3 MP) to
                  | strengthen your wands. [potion of mutation]
322735 | Depths:3 | Lost mutation: You are weak. (Str -2) [potion of mutation]
322735 | Depths:3 | Lost mutation: You expend magic power (3 MP) to strengthen
                  | your wands. [potion of mutation]
322735 | Depths:3 | Gained mutation: You are clumsy. (Dex -2) [potion of
                  | mutation]
322735 | Depths:3 | Gained mutation: You have sharp toenails. [potion of
                  | mutation]
322736 | Depths:3 | Lost mutation: You are clumsy. (Dex -2) [potion of
                  | mutation]
322736 | Depths:3 | Lost mutation: You have sharp toenails. [potion of
                  | mutation]
322736 | Depths:3 | Gained mutation: You have hidden genetic potential. [potion
                  | of mutation]
322737 | Depths:3 | Lost mutation: You have hidden genetic potential. [potion
                  | of mutation]
322737 | Depths:3 | Gained mutation: You have sharp fingernails. [potion of
                  | mutation]
322737 | Depths:3 | Gained mutation: Your flesh is heat resistant. (rF+)
                  | [potion of mutation]
322737 | Depths:3 | Gained mutation: You have a pair of small antennae on your
                  | head. [potion of mutation]
322738 | Depths:3 | Lost mutation: Your flesh is heat resistant. (rF+) [potion
                  | of mutation]
322738 | Depths:3 | Lost mutation: You have sharp fingernails. [potion of
                  | mutation]
322738 | Depths:3 | Gained mutation: Your spells are a little harder to cast,
                  | but a little more powerful. [potion of mutation]
322738 | Depths:3 | Gained mutation: You have supernaturally acute eyesight.
                  | (SInv) [potion of mutation]
322753 | Depths:3 | Lost mutation: You have a pair of small antennae on your
                  | head. [potion of mutation]
322753 | Depths:3 | Lost mutation: You have supernaturally acute eyesight.
                  | (SInv) [potion of mutation]
322753 | Depths:3 | Gained mutation: You are partially covered in iridescent
                  | scales. (AC +2) [potion of mutation]
322753 | Depths:3 | Gained mutation: Your mind is acute. (Int +4, Str/Dex -1)
                  | [potion of mutation]
322754 | Depths:3 | Lost mutation: Your mind is acute. (Int +4, Str/Dex -1)
                  | [potion of mutation]
322754 | Depths:3 | Lost mutation: You are partially covered in iridescent
                  | scales. (AC +2) [potion of mutation]
322754 | Depths:3 | Gained mutation: You are partially covered in iridescent
                  | scales. (AC +2) [potion of mutation]
322754 | Depths:3 | Gained mutation: You are mostly covered in iridescent
                  | scales. (AC +4) [potion of mutation]
322755 | Depths:3 | Lost mutation: You are mostly covered in iridescent scales.
                  | (AC +4) [potion of mutation]
322755 | Depths:3 | Lost mutation: You are partially covered in iridescent
                  | scales. (AC +2) [potion of mutation]
322755 | Depths:3 | Lost mutation: Your spells are a little harder to cast, but
                  | a little more powerful. [potion of mutation]
322755 | Depths:3 | Gained mutation: You are robust. (+10% HP) [potion of
                  | mutation]
322755 | Depths:3 | Gained mutation: You occasionally shout uncontrollably at
                  | your foes. [potion of mutation]
322755 | Depths:3 | Gained mutation: Your spells are a little harder to cast,
                  | but a little more powerful. [potion of mutation]
322756 | Depths:3 | Lost mutation: You are robust. (+10% HP) [potion of
                  | mutation]
322756 | Depths:3 | Lost mutation: Your spells are a little harder to cast, but
                  | a little more powerful. [potion of mutation]
322756 | Depths:3 | Lost mutation: You occasionally shout uncontrollably at
                  | your foes. [potion of mutation]
322756 | Depths:3 | Gained mutation: You are clumsy. (Dex -2) [potion of
                  | mutation]
322756 | Depths:3 | Gained mutation: You have hidden genetic defects. [potion
                  | of mutation]
322756 | Depths:3 | Gained mutation: You are frail. (-10% HP) [potion of
                  | mutation]
322756 | Depths:3 | Gained mutation: You have a pair of small horns on your
                  | head. [potion of mutation]
322757 | Depths:3 | Lost mutation: You are clumsy. (Dex -2) [potion of
                  | mutation]
322757 | Depths:3 | Lost mutation: You have hidden genetic defects. [potion of
                  | mutation]
322757 | Depths:3 | Gained mutation: You are dopey. (Int -2) [potion of
                  | mutation]
322757 | Depths:3 | Gained mutation: Armour fits poorly on your strangely
                  | shaped body. [potion of mutation]
322757 | Depths:3 | Gained mutation: You expend magic power (3 MP) to
                  | strengthen your wands. [potion of mutation]
322758 | Depths:3 | Lost mutation: You are dopey. (Int -2) [potion of mutation]
322758 | Depths:3 | Lost mutation: You are frail. (-10% HP) [potion of
                  | mutation]
322758 | Depths:3 | Lost mutation: You expend magic power (3 MP) to strengthen
                  | your wands. [potion of mutation]
322758 | Depths:3 | Gained mutation: You are agile. (Dex +4, Str/Int -1)
                  | [potion of mutation]
322758 | Depths:3 | Gained mutation: You are robust. (+10% HP) [potion of
                  | mutation]
322759 | Depths:3 | Lost mutation: You have a pair of small horns on your head.
                  | [potion of mutation]
322759 | Depths:3 | Lost mutation: You are robust. (+10% HP) [potion of
                  | mutation]
322759 | Depths:3 | Lost mutation: Armour fits poorly on your strangely shaped
                  | body. [potion of mutation]
322759 | Depths:3 | Gained mutation: You are dopey. (Int -2) [potion of
                  | mutation]
322759 | Depths:3 | Gained mutation: You expend magic power (3 MP) to
                  | strengthen your wands. [potion of mutation]
322760 | Depths:3 | Lost mutation: You are dopey. (Int -2) [potion of mutation]
322760 | Depths:3 | Lost mutation: You expend magic power (3 MP) to strengthen
                  | your wands. [potion of mutation]
322760 | Depths:3 | Lost mutation: You are agile. (Dex +4, Str/Int -1) [potion
                  | of mutation]
322760 | Depths:3 | Gained mutation: You are somewhat resistant to further
                  | mutation. [potion of mutation]
322760 | Depths:3 | Gained mutation: You possess an exceptional clarity of
                  | mind. [potion of mutation]
322761 | Depths:3 | Lost mutation: You possess an exceptional clarity of mind.
                  | [potion of mutation]
322761 | Depths:3 | Lost mutation: You are somewhat resistant to further
                  | mutation. [potion of mutation]
322761 | Depths:3 | Gained mutation: You are partially covered in large bone
                  | plates. (SH +4) [potion of mutation]
322761 | Depths:3 | Gained mutation: You have sharp fingernails. [potion of
                  | mutation]
322762 | Depths:3 | Lost mutation: You have sharp fingernails. [potion of
                  | mutation]
322762 | Depths:3 | Lost mutation: You are partially covered in large bone
                  | plates. (SH +4) [potion of mutation]
322762 | Depths:3 | Gained mutation: Your mind is acute. (Int +4, Str/Dex -1)
                  | [potion of mutation]
322762 | Depths:3 | Gained mutation: Your body sometimes deteriorates upon
                  | taking damage. [potion of mutation]
322762 | Depths:3 | Gained mutation: Your body often deteriorates upon taking
                  | damage. [potion of mutation]
322762 | Depths:3 | Gained mutation: You are partially covered in iridescent
                  | scales. (AC +2) [potion of mutation]
322763 | Depths:3 | Lost mutation: Your mind is acute. (Int +4, Str/Dex -1)
                  | [potion of mutation]
322763 | Depths:3 | Lost mutation: Your body often deteriorates upon taking
                  | damage. [potion of mutation]
322763 | Depths:3 | Gained mutation: You are covered in fur. (AC +1) [potion of
                  | mutation]
322763 | Depths:3 | Gained mutation: You are mostly covered in iridescent
                  | scales. (AC +4) [potion of mutation]
322763 | Depths:3 | Gained mutation: Your muscles are strong. (Str +4, Int/Dex
                  | -1) [potion of mutation]
322764 | Depths:3 | Lost mutation: You are covered in fur. (AC +1) [potion of
                  | mutation]
322764 | Depths:3 | Lost mutation: Your muscles are strong. (Str +4, Int/Dex
                  | -1) [potion of mutation]
322764 | Depths:3 | Gained mutation: You are completely covered in iridescent
                  | scales. (AC +6) [potion of mutation]
322764 | Depths:3 | Gained mutation: You are weak. (Str -2) [potion of
                  | mutation]
322765 | Depths:3 | Lost mutation: Your body sometimes deteriorates upon taking
                  | damage. [potion of mutation]
322765 | Depths:3 | Lost mutation: You are weak. (Str -2) [potion of mutation]
322765 | Depths:3 | Gained mutation: You have hidden genetic potential. [potion
                  | of mutation]
322765 | Depths:3 | Lost mutation: You are completely covered in iridescent
                  | scales. (AC +6) [potion of mutation]
322765 | Depths:3 | Gained mutation: You expend magic power (3 MP) to
                  | strengthen your wands. [potion of mutation]
322766 | Depths:3 | Lost mutation: You expend magic power (3 MP) to strengthen
                  | your wands. [potion of mutation]
322766 | Depths:3 | Lost mutation: You are mostly covered in iridescent scales.
                  | (AC +4) [potion of mutation]
322766 | Depths:3 | Gained mutation: You are robust. (+10% HP) [potion of
                  | mutation]
322766 | Depths:3 | Gained mutation: You are vulnerable to cold. (rC-) [potion
                  | of mutation]
322766 | Depths:3 | Gained mutation: You are clumsy. (Dex -2) [potion of
                  | mutation]
322767 | Depths:3 | Lost mutation: You are robust. (+10% HP) [potion of
                  | mutation]
322767 | Depths:3 | Lost mutation: You have hidden genetic potential. [potion
                  | of mutation]
322767 | Depths:3 | Gained mutation: You are covered in fur. (AC +1) [potion of
                  | mutation]
322767 | Depths:3 | Gained mutation: You are dopey. (Int -2) [potion of
                  | mutation]
322767 | Depths:3 | Gained mutation: Your spells are a little harder to cast,
                  | but a little more powerful. [potion of mutation]
322768 | Depths:3 | Lost mutation: You are clumsy. (Dex -2) [potion of
                  | mutation]
322768 | Depths:3 | Lost mutation: You are partially covered in iridescent
                  | scales. (AC +2) [potion of mutation]
322768 | Depths:3 | Lost mutation: You are covered in fur. (AC +1) [potion of
                  | mutation]
322768 | Depths:3 | Gained mutation: You occasionally lose the ability to drink
                  | potions when taking damage. [potion of mutation]
322769 | Depths:3 | Lost mutation: You occasionally lose the ability to drink
                  | potions when taking damage. [potion of mutation]
322769 | Depths:3 | Lost mutation: Your spells are a little harder to cast, but
                  | a little more powerful. [potion of mutation]
322769 | Depths:3 | Lost mutation: You are vulnerable to cold. (rC-) [potion of
                  | mutation]
322769 | Depths:3 | Gained mutation: Your spells are a little harder to cast,
                  | but a little more powerful. [potion of mutation]
322769 | Depths:3 | Gained mutation: You are agile. (Dex +4, Str/Int -1)
                  | [potion of mutation]
322770 | Depths:3 | Lost mutation: Your spells are a little harder to cast, but
                  | a little more powerful. [potion of mutation]
322770 | Depths:3 | Lost mutation: You are dopey. (Int -2) [potion of mutation]
322770 | Depths:3 | Lost mutation: You are agile. (Dex +4, Str/Int -1) [potion
                  | of mutation]
322770 | Depths:3 | Gained mutation: You have sharp fingernails. [potion of
                  | mutation]
322770 | Depths:3 | Gained mutation: You have sharp toenails. [potion of
                  | mutation]
322771 | Depths:3 | Lost mutation: You have sharp fingernails. [potion of
                  | mutation]
322771 | Depths:3 | Lost mutation: You have sharp toenails. [potion of
                  | mutation]
322771 | Depths:3 | Gained mutation: Your mind is acute. (Int +4, Str/Dex -1)
                  | [potion of mutation]
322771 | Depths:3 | Gained mutation: You are frail. (-10% HP) [potion of
                  | mutation]
322771 | Depths:3 | Gained mutation: You have a pair of small antennae on your
                  | head. [potion of mutation]
322772 | Depths:3 | Lost mutation: You have a pair of small antennae on your
                  | head. [potion of mutation]
322772 | Depths:3 | Lost mutation: Your mind is acute. (Int +4, Str/Dex -1)
                  | [potion of mutation]
322772 | Depths:3 | Lost mutation: You are frail. (-10% HP) [potion of
                  | mutation]
322772 | Depths:3 | Gained mutation: You are partially covered in iridescent
                  | scales. (AC +2) [potion of mutation]
322772 | Depths:3 | Gained mutation: You are mostly covered in iridescent
                  | scales. (AC +4) [potion of mutation]
322773 | Depths:3 | Lost mutation: You are mostly covered in iridescent scales.
                  | (AC +4) [potion of mutation]
322773 | Depths:3 | Lost mutation: You are partially covered in iridescent
                  | scales. (AC +2) [potion of mutation]
322773 | Depths:3 | Gained mutation: You are frail. (-10% HP) [potion of
                  | mutation]
322773 | Depths:3 | Gained mutation: You occasionally lose the ability to drink
                  | potions when taking damage. [potion of mutation]
322774 | Depths:3 | Lost mutation: You occasionally lose the ability to drink
                  | potions when taking damage. [potion of mutation]
322774 | Depths:3 | Lost mutation: You are frail. (-10% HP) [potion of
                  | mutation]
322774 | Depths:3 | Gained mutation: You are partially covered in iridescent
                  | scales. (AC +2) [potion of mutation]
322774 | Depths:3 | Gained mutation: You are robust. (+10% HP) [potion of
                  | mutation]
322775 | Depths:3 | Lost mutation: You are robust. (+10% HP) [potion of
                  | mutation]
322775 | Depths:3 | Lost mutation: You are partially covered in iridescent
                  | scales. (AC +2) [potion of mutation]
322775 | Depths:3 | Gained mutation: Your flesh is cold resistant. (rC+)
                  | [potion of mutation]
322776 | Depths:3 | Lost mutation: Your flesh is cold resistant. (rC+) [potion
                  | of mutation]
322776 | Depths:3 | Gained mutation: You are clumsy. (Dex -2) [potion of
                  | mutation]
322776 | Depths:3 | Gained mutation: Your muscles are strong. (Str +4, Int/Dex
                  | -1) [potion of mutation]
322777 | Depths:3 | Lost mutation: Your muscles are strong. (Str +4, Int/Dex
                  | -1) [potion of mutation]
322777 | Depths:3 | Lost mutation: You are clumsy. (Dex -2) [potion of
                  | mutation]
322777 | Depths:3 | Gained mutation: You are partially covered in iridescent
                  | scales. (AC +2) [potion of mutation]
322777 | Depths:3 | Gained mutation: You have a pair of small horns on your
                  | head. [potion of mutation]
322777 | Depths:3 | Gained mutation: You have hidden genetic potential. [potion
                  | of mutation]
322777 | Depths:3 | Gained mutation: Your muscles are strong. (Str +4, Int/Dex
                  | -1) [potion of mutation]
322778 | Depths:3 | Lost mutation: You have a pair of small horns on your head.
                  | [potion of mutation]
322778 | Depths:3 | Lost mutation: Your muscles are strong. (Str +4, Int/Dex
                  | -1) [potion of mutation]
322778 | Depths:3 | Lost mutation: You are partially covered in iridescent
                  | scales. (AC +2) [potion of mutation]
322778 | Depths:3 | Gained mutation: Your mind is acute. (Int +4, Str/Dex -1)
                  | [potion of mutation]
322778 | Depths:3 | Gained mutation: You possess an exceptional clarity of
                  | mind. [potion of mutation]
322779 | Depths:3 | Lost mutation: Your mind is acute. (Int +4, Str/Dex -1)
                  | [potion of mutation]
322779 | Depths:3 | Lost mutation: You have hidden genetic potential. [potion
                  | of mutation]
322779 | Depths:3 | Lost mutation: You possess an exceptional clarity of mind.
                  | [potion of mutation]
322779 | Depths:3 | Gained mutation: You are partially covered in iridescent
                  | scales. (AC +2) [potion of mutation]
322779 | Depths:3 | Gained mutation: You are covered in fur. (AC +1) [potion of
                  | mutation]
322780 | Depths:3 | Lost mutation: You are partially covered in iridescent
                  | scales. (AC +2) [potion of mutation]
322780 | Depths:3 | Lost mutation: You are covered in fur. (AC +1) [potion of
                  | mutation]
322780 | Depths:3 | Gained mutation: You occasionally lose the ability to read
                  | scrolls when taking damage. [potion of mutation]
322780 | Depths:3 | Gained mutation: You have sharp toenails. [potion of
                  | mutation]
322781 | Depths:3 | Lost mutation: You occasionally lose the ability to read
                  | scrolls when taking damage. [potion of mutation]
322781 | Depths:3 | Lost mutation: You have sharp toenails. [potion of
                  | mutation]
322781 | Depths:3 | Gained mutation: Your spells are a little harder to cast,
                  | but a little more powerful. [potion of mutation]
322782 | Depths:3 | Lost mutation: Your spells are a little harder to cast, but
                  | a little more powerful. [potion of mutation]
322782 | Depths:3 | Gained mutation: You passively map a small area around you.
                  | [potion of mutation]
322783 | Depths:3 | Lost mutation: You passively map a small area around you.
                  | [potion of mutation]
322783 | Depths:3 | Gained mutation: You have large cloven feet. [potion of
                  | mutation]
322784 | Depths:3 | Lost mutation: You have large cloven feet. [potion of
                  | mutation]
322784 | Depths:3 | Gained mutation: Your muscles are strong. (Str +4, Int/Dex
                  | -1) [potion of mutation]
322784 | Depths:3 | Gained mutation: Your mind is acute. (Int +4, Str/Dex -1)
                  | [potion of mutation]
322784 | Depths:3 | Lost mutation: Your mind is acute. (Int +4, Str/Dex -1)
                  | [potion of mutation]
322785 | Depths:3 | Lost mutation: Your muscles are strong. (Str +4, Int/Dex
                  | -1) [potion of mutation]
322785 | Depths:3 | Gained mutation: You have sharp toenails. [potion of
                  | mutation]
322786 | Depths:3 | Lost mutation: You have sharp toenails. [potion of
                  | mutation]
322786 | Depths:3 | Gained mutation: You have hidden genetic defects. [potion
                  | of mutation]
322786 | Depths:3 | Gained mutation: You are strong-willed. (Will+) [potion of
                  | mutation]
322786 | Depths:3 | Gained mutation: You are frail. (-10% HP) [potion of
                  | mutation]
322787 | Depths:3 | Lost mutation: You are frail. (-10% HP) [potion of
                  | mutation]
322787 | Depths:3 | Lost mutation: You are strong-willed. (Will+) [potion of
                  | mutation]
322787 | Depths:3 | Gained mutation: You are agile. (Dex +4, Str/Int -1)
                  | [potion of mutation]
322788 | Depths:3 | Lost mutation: You have hidden genetic defects. [potion of
                  | mutation]
322788 | Depths:3 | Lost mutation: You are agile. (Dex +4, Str/Int -1) [potion
                  | of mutation]
322788 | Depths:3 | Gained mutation: You are robust. (+10% HP) [potion of
                  | mutation]
322789 | Depths:3 | Lost mutation: You are robust. (+10% HP) [potion of
                  | mutation]
322789 | Depths:3 | Gained mutation: You are occasionally teleported next to
                  | monsters. [potion of mutation]
322790 | Depths:3 | Lost mutation: You are occasionally teleported next to
                  | monsters. [potion of mutation]
322790 | Depths:3 | Gained mutation: You are strong-willed. (Will+) [potion of
                  | mutation]
322790 | Depths:3 | Gained mutation: You possess an exceptional clarity of
                  | mind. [potion of mutation]
322790 | Depths:3 | Gained mutation: You have a pair of small horns on your
                  | head. [potion of mutation]
322790 | Depths:3 | Gained mutation: Your spells are a little harder to cast,
                  | but a little more powerful. [potion of mutation]
322791 | Depths:3 | Lost mutation: Your spells are a little harder to cast, but
                  | a little more powerful. [potion of mutation]
322791 | Depths:3 | Lost mutation: You have a pair of small horns on your head.
                  | [potion of mutation]
322791 | Depths:3 | Lost mutation: You possess an exceptional clarity of mind.
                  | [potion of mutation]
322791 | Depths:3 | Gained mutation: You have hidden genetic potential. [potion
                  | of mutation]
322791 | Depths:3 | Gained mutation: You have large cloven feet. [potion of
                  | mutation]
322792 | Depths:3 | Lost mutation: You are strong-willed. (Will+) [potion of
                  | mutation]
322792 | Depths:3 | Lost mutation: You have large cloven feet. [potion of
                  | mutation]
322792 | Depths:3 | Lost mutation: You have hidden genetic potential. [potion
                  | of mutation]
322792 | Depths:3 | Gained mutation: You are somewhat resistant to further
                  | mutation. [potion of mutation]
322793 | Depths:3 | Lost mutation: You are somewhat resistant to further
                  | mutation. [potion of mutation]
322793 | Depths:3 | Gained mutation: A frigid envelope surrounds you and
                  | freezes all who hurt you. [potion of mutation]
322793 | Depths:3 | Gained mutation: You are clumsy. (Dex -2) [potion of
                  | mutation]
322793 | Depths:3 | Gained mutation: You possess an exceptional clarity of
                  | mind. [potion of mutation]
322794 | Depths:3 | Lost mutation: You are clumsy. (Dex -2) [potion of
                  | mutation]
322794 | Depths:3 | Lost mutation: You possess an exceptional clarity of mind.
                  | [potion of mutation]
322794 | Depths:3 | Gained mutation: Your magical capacity is low. (-10% MP)
                  | [potion of mutation]
322795 | Depths:3 | Lost mutation: Your magical capacity is low. (-10% MP)
                  | [potion of mutation]
322795 | Depths:3 | Lost mutation: A frigid envelope surrounds you and freezes
                  | all who hurt you. [potion of mutation]
322795 | Depths:3 | Gained mutation: You possess an exceptional clarity of
                  | mind. [potion of mutation]
322795 | Depths:3 | Gained mutation: You occasionally shout uncontrollably at
                  | your foes. [potion of mutation]
322796 | Depths:3 | Lost mutation: You occasionally shout uncontrollably at
                  | your foes. [potion of mutation]
322796 | Depths:3 | Lost mutation: You possess an exceptional clarity of mind.
                  | [potion of mutation]
322796 | Depths:3 | Gained mutation: Your flesh is heat resistant. (rF+)
                  | [potion of mutation]
322796 | Depths:3 | Gained mutation: Your spells are a little easier to cast,
                  | but a little less powerful. [potion of mutation]
322796 | Depths:3 | Gained mutation: Your body sometimes deteriorates upon
                  | taking damage. [potion of mutation]
322796 | Depths:3 | Gained mutation: Your mind is acute. (Int +4, Str/Dex -1)
                  | [potion of mutation]
322797 | Depths:3 | Lost mutation: Your mind is acute. (Int +4, Str/Dex -1)
                  | [potion of mutation]
322797 | Depths:3 | Lost mutation: Your body sometimes deteriorates upon taking
                  | damage. [potion of mutation]
322797 | Depths:3 | Lost mutation: Your spells are a little easier to cast, but
                  | a little less powerful. [potion of mutation]
322797 | Depths:3 | Gained mutation: You are strong-willed. (Will+) [potion of
                  | mutation]
322797 | Depths:3 | Gained mutation: You expend magic power (3 MP) to
                  | strengthen your wands. [potion of mutation]
322797 | Depths:3 | Gained mutation: You are frail. (-10% HP) [potion of
                  | mutation]
322797 | Depths:3 | Gained mutation: Your muscles are strong. (Str +4, Int/Dex
                  | -1) [potion of mutation]
322798 | Depths:3 | Lost mutation: You expend magic power (3 MP) to strengthen
                  | your wands. [potion of mutation]
322798 | Depths:3 | Lost mutation: Your flesh is heat resistant. (rF+) [potion
                  | of mutation]
322798 | Depths:3 | Gained mutation: You are agile. (Dex +4, Str/Int -1)
                  | [potion of mutation]
322798 | Depths:3 | Gained mutation: You have a pair of small horns on your
                  | head. [potion of mutation]
322798 | Depths:3 | Gained mutation: You are partially covered in iridescent
                  | scales. (AC +2) [potion of mutation]
322799 | Depths:3 | Lost mutation: You have a pair of small horns on your head.
                  | [potion of mutation]
322799 | Depths:3 | Lost mutation: You are agile. (Dex +4, Str/Int -1) [potion
                  | of mutation]
322799 | Depths:3 | Lost mutation: You are partially covered in iridescent
                  | scales. (AC +2) [potion of mutation]
322799 | Depths:3 | Gained mutation: You have hidden genetic potential. [potion
                  | of mutation]
322800 | Depths:3 | Lost mutation: You are strong-willed. (Will+) [potion of
                  | mutation]
322800 | Depths:3 | Lost mutation: Your muscles are strong. (Str +4, Int/Dex
                  | -1) [potion of mutation]
322800 | Depths:3 | Lost mutation: You have hidden genetic potential. [potion
                  | of mutation]
322800 | Depths:3 | Gained mutation: You are partially covered in large bone
                  | plates. (SH +4) [potion of mutation]
322800 | Depths:3 | Gained mutation: Your spells are a little harder to cast,
                  | but a little more powerful. [potion of mutation]
322800 | Depths:3 | Gained mutation: You have supernaturally acute eyesight.
                  | (SInv) [potion of mutation]
322801 | Depths:3 | Lost mutation: You are frail. (-10% HP) [potion of
                  | mutation]
322801 | Depths:3 | Lost mutation: You have supernaturally acute eyesight.
                  | (SInv) [potion of mutation]
322801 | Depths:3 | Gained mutation: You are agile. (Dex +4, Str/Int -1)
                  | [potion of mutation]
322801 | Depths:3 | Gained mutation: You expend magic power (3 MP) to
                  | strengthen your wands. [potion of mutation]
322802 | Depths:3 | Lost mutation: You are partially covered in large bone
                  | plates. (SH +4) [potion of mutation]
322802 | Depths:3 | Lost mutation: Your spells are a little harder to cast, but
                  | a little more powerful. [potion of mutation]
322802 | Depths:3 | Gained mutation: You have sharp fingernails. [potion of
                  | mutation]
322802 | Depths:3 | Gained mutation: Armour fits poorly on your strangely
                  | shaped body. [potion of mutation]
322802 | Depths:3 | Gained mutation: You are weak. (Str -2) [potion of
                  | mutation]
322803 | Depths:3 | Lost mutation: You expend magic power (3 MP) to strengthen
                  | your wands. [potion of mutation]
322803 | Depths:3 | Lost mutation: You have sharp fingernails. [potion of
                  | mutation]
322803 | Depths:3 | Lost mutation: You are agile. (Dex +4, Str/Int -1) [potion
                  | of mutation]
322803 | Depths:3 | Lost mutation: You are weak. (Str -2) [potion of mutation]
322803 | Depths:3 | Gained mutation: Your spells are a little easier to cast,
                  | but a little less powerful. [potion of mutation]
322803 | Depths:3 | Gained mutation: You possess an exceptional clarity of
                  | mind. [potion of mutation]
322804 | Depths:3 | Lost mutation: You possess an exceptional clarity of mind.
                  | [potion of mutation]
322804 | Depths:3 | Lost mutation: Your spells are a little easier to cast, but
                  | a little less powerful. [potion of mutation]
322804 | Depths:3 | Gained mutation: You occasionally lose the ability to drink
                  | potions when taking damage. [potion of mutation]
322805 | Depths:3 | Lost mutation: You occasionally lose the ability to drink
                  | potions when taking damage. [potion of mutation]
322805 | Depths:3 | Lost mutation: Armour fits poorly on your strangely shaped
                  | body. [potion of mutation]
322805 | Depths:3 | Gained mutation: Your movements are slightly less
                  | encumbered by armour. (ER -2) [potion of mutation]
322806 | Depths:3 | Lost mutation: Your movements are slightly less encumbered
                  | by armour. (ER -2) [potion of mutation]
322806 | Depths:3 | Gained mutation: You have supernaturally acute eyesight.
                  | (SInv) [potion of mutation]
322806 | Depths:3 | Gained mutation: Your mind is acute. (Int +4, Str/Dex -1)
                  | [potion of mutation]
322807 | Depths:3 | Lost mutation: Your mind is acute. (Int +4, Str/Dex -1)
                  | [potion of mutation]
322807 | Depths:3 | Lost mutation: You have supernaturally acute eyesight.
                  | (SInv) [potion of mutation]
322807 | Depths:3 | Gained mutation: Your muscles are strong. (Str +4, Int/Dex
                  | -1) [potion of mutation]
322808 | Depths:3 | Lost mutation: Your muscles are strong. (Str +4, Int/Dex
                  | -1) [potion of mutation]
322808 | Depths:3 | Gained mutation: You passively map a small area around you.
                  | [potion of mutation]
322808 | Depths:3 | Gained mutation: You are partially covered in iridescent
                  | scales. (AC +2) [potion of mutation]
322809 | Depths:3 | Lost mutation: You are partially covered in iridescent
                  | scales. (AC +2) [potion of mutation]
322809 | Depths:3 | Lost mutation: You passively map a small area around you.
                  | [potion of mutation]
322809 | Depths:3 | Gained mutation: Your mind is acute. (Int +4, Str/Dex -1)
                  | [potion of mutation]
322810 | Depths:3 | Lost mutation: Your mind is acute. (Int +4, Str/Dex -1)
                  | [potion of mutation]
322810 | Depths:3 | Gained mutation: You have a pair of small antennae on your
                  | head. [potion of mutation]
322810 | Depths:3 | Gained mutation: You are dopey. (Int -2) [potion of
                  | mutation]
322810 | Depths:3 | Gained mutation: You have hidden genetic defects. [potion
                  | of mutation]
322810 | Depths:3 | Gained mutation: Your flesh is heat resistant. (rF+)
                  | [potion of mutation]
322811 | Depths:3 | Lost mutation: Your flesh is heat resistant. (rF+) [potion
                  | of mutation]
322811 | Depths:3 | Lost mutation: You have hidden genetic defects. [potion of
                  | mutation]
322812 | Depths:3 | Lost mutation: You are dopey. (Int -2) [potion of mutation]
322812 | Depths:3 | Lost mutation: You have a pair of small antennae on your
                  | head. [potion of mutation]
322812 | Depths:3 | Gained mutation: You have a pair of small antennae on your
                  | head. [potion of mutation]
322812 | Depths:3 | Gained mutation: Your flesh is cold resistant. (rC+)
                  | [potion of mutation]
322813 | Depths:3 | Lost mutation: You have a pair of small antennae on your
                  | head. [potion of mutation]
322813 | Depths:3 | Lost mutation: Your flesh is cold resistant. (rC+) [potion
                  | of mutation]
322813 | Depths:3 | Gained mutation: You are strong-willed. (Will+) [potion of
                  | mutation]
322813 | Depths:3 | Gained mutation: You are covered in fur. (AC +1) [potion of
                  | mutation]
322813 | Depths:3 | Gained mutation: You are weak. (Str -2) [potion of
                  | mutation]
322814 | Depths:3 | Lost mutation: You are weak. (Str -2) [potion of mutation]
322814 | Depths:3 | Lost mutation: You are strong-willed. (Will+) [potion of
                  | mutation]
322814 | Depths:3 | Lost mutation: You are covered in fur. (AC +1) [potion of
                  | mutation]
322814 | Depths:3 | Gained mutation: You are occasionally teleported next to
                  | monsters. [potion of mutation]
322814 | Depths:3 | Gained mutation: Your muscles are strong. (Str +4, Int/Dex
                  | -1) [potion of mutation]
322815 | Depths:3 | Lost mutation: Your muscles are strong. (Str +4, Int/Dex
                  | -1) [potion of mutation]
322815 | Depths:3 | Lost mutation: You are occasionally teleported next to
                  | monsters. [potion of mutation]
322815 | Depths:3 | Gained mutation: Your flesh is heat resistant. (rF+)
                  | [potion of mutation]
322815 | Depths:3 | Gained mutation: You have a pair of small antennae on your
                  | head. [potion of mutation]
322816 | Depths:3 | Lost mutation: Your flesh is heat resistant. (rF+) [potion
                  | of mutation]
322816 | Depths:3 | Lost mutation: You have a pair of small antennae on your
                  | head. [potion of mutation]
322816 | Depths:3 | Gained mutation: You are dopey. (Int -2) [potion of
                  | mutation]
322816 | Depths:3 | Gained mutation: You passively map a small area around you.
                  | [potion of mutation]
322817 | Depths:3 | Lost mutation: You passively map a small area around you.
                  | [potion of mutation]
322817 | Depths:3 | Lost mutation: You are dopey. (Int -2) [potion of mutation]
322817 | Depths:3 | Gained mutation: Potions are less effective at restoring
                  | your health. [potion of mutation]
322817 | Depths:3 | Gained mutation: You possess an exceptional clarity of
                  | mind. [potion of mutation]
322818 | Depths:3 | Lost mutation: You possess an exceptional clarity of mind.
                  | [potion of mutation]
322818 | Depths:3 | Lost mutation: Potions are less effective at restoring your
                  | health. [potion of mutation]
322818 | Depths:3 | Gained mutation: You do not regenerate when monsters are
                  | visible. [potion of mutation]
322818 | Depths:3 | Gained mutation: You sometimes lose your temper in combat.
                  | [potion of mutation]
322818 | Depths:3 | Gained mutation: You have sharp fingernails. [potion of
                  | mutation]
322819 | Depths:3 | Lost mutation: You do not regenerate when monsters are
                  | visible. [potion of mutation]
322819 | Depths:3 | Lost mutation: You sometimes lose your temper in combat.
                  | [potion of mutation]
322819 | Depths:3 | Lost mutation: You have sharp fingernails. [potion of
                  | mutation]
322819 | Depths:3 | Gained mutation: You occasionally shout uncontrollably at
                  | your foes. [potion of mutation]
322820 | Depths:3 | Lost mutation: You occasionally shout uncontrollably at
                  | your foes. [potion of mutation]
322820 | Depths:3 | Gained mutation: Your muscles are strong. (Str +4, Int/Dex
                  | -1) [potion of mutation]
322820 | Depths:3 | Gained mutation: You passively map a small area around you.
                  | [potion of mutation]
322821 | Depths:3 | Lost mutation: You passively map a small area around you.
                  | [potion of mutation]
322821 | Depths:3 | Lost mutation: Your muscles are strong. (Str +4, Int/Dex
                  | -1) [potion of mutation]
322821 | Depths:3 | Gained mutation: You occasionally lose the ability to drink
                  | potions when taking damage. [potion of mutation]
322821 | Depths:3 | Gained mutation: Your natural rate of healing is unusually
                  | fast. [potion of mutation]
322821 | Depths:3 | Gained mutation: You have a pair of small antennae on your
                  | head. [potion of mutation]
322821 | Depths:3 | Gained mutation: You possess an exceptional clarity of
                  | mind. [potion of mutation]
322822 | Depths:3 | Lost mutation: You possess an exceptional clarity of mind.
                  | [potion of mutation]
322822 | Depths:3 | Lost mutation: Your natural rate of healing is unusually
                  | fast. [potion of mutation]
322822 | Depths:3 | Gained mutation: Your body sometimes deteriorates upon
                  | taking damage. [potion of mutation]
322822 | Depths:3 | Gained mutation: Your movements are slightly less
                  | encumbered by armour. (ER -2) [potion of mutation]
322822 | Depths:3 | Gained mutation: You are agile. (Dex +4, Str/Int -1)
                  | [potion of mutation]
322823 | Depths:3 | Lost mutation: Your body sometimes deteriorates upon taking
                  | damage. [potion of mutation]
322823 | Depths:3 | Lost mutation: You occasionally lose the ability to drink
                  | potions when taking damage. [potion of mutation]
322823 | Depths:3 | Gained mutation: You are weak. (Str -2) [potion of
                  | mutation]
322823 | Depths:3 | Lost mutation: You are agile. (Dex +4, Str/Int -1) [potion
                  | of mutation]
322823 | Depths:3 | Gained mutation: You have large cloven feet. [potion of
                  | mutation]
322824 | Depths:3 | Lost mutation: You have a pair of small antennae on your
                  | head. [potion of mutation]
322824 | Depths:3 | Lost mutation: Your movements are slightly less encumbered
                  | by armour. (ER -2) [potion of mutation]
322824 | Depths:3 | Lost mutation: You have large cloven feet. [potion of
                  | mutation]
322824 | Depths:3 | Gained mutation: You are partially covered in iridescent
                  | scales. (AC +2) [potion of mutation]
322824 | Depths:3 | Gained mutation: Your spells are a little easier to cast,
                  | but a little less powerful. [potion of mutation]
322824 | Depths:3 | Gained mutation: You have very sharp teeth. [potion of
                  | mutation]
322825 | Depths:3 | Lost mutation: Your spells are a little easier to cast, but
                  | a little less powerful. [potion of mutation]
322825 | Depths:3 | Lost mutation: You are partially covered in iridescent
                  | scales. (AC +2) [potion of mutation]
322825 | Depths:3 | Gained mutation: You possess an exceptional clarity of
                  | mind. [potion of mutation]
322825 | Depths:3 | Gained mutation: You have a pair of small antennae on your
                  | head. [potion of mutation]
322825 | Depths:3 | Gained mutation: Your spells are a little harder to cast,
                  | but a little more powerful. [potion of mutation]
322826 | Depths:3 | Lost mutation: You are weak. (Str -2) [potion of mutation]
322826 | Depths:3 | Lost mutation: You have very sharp teeth. [potion of
                  | mutation]
322826 | Depths:3 | Lost mutation: You have a pair of small antennae on your
                  | head. [potion of mutation]
322826 | Depths:3 | Gained mutation: Your spells are harder to cast, but more
                  | powerful. [potion of mutation]
322826 | Depths:3 | Gained mutation: Armour fits poorly on your strangely
                  | shaped body. [potion of mutation]
322827 | Depths:3 | Lost mutation: Armour fits poorly on your strangely shaped
                  | body. [potion of mutation]
322827 | Depths:3 | Lost mutation: Your spells are harder to cast, but more
                  | powerful. [potion of mutation]
322827 | Depths:3 | Lost mutation: Your spells are a little harder to cast, but
                  | a little more powerful. [potion of mutation]
322827 | Depths:3 | Gained mutation: You are weak. (Str -2) [potion of
                  | mutation]
322827 | Depths:3 | Gained mutation: Your mind is acute. (Int +4, Str/Dex -1)
                  | [potion of mutation]
322827 | Depths:3 | Gained mutation: Your movements are slightly less
                  | encumbered by armour. (ER -2) [potion of mutation]
322828 | Depths:3 | Lost mutation: You are weak. (Str -2) [potion of mutation]
322828 | Depths:3 | Lost mutation: Your mind is acute. (Int +4, Str/Dex -1)
                  | [potion of mutation]
322828 | Depths:3 | Gained mutation: You are frail. (-10% HP) [potion of
                  | mutation]
322829 | Depths:3 | Lost mutation: Your movements are slightly less encumbered
                  | by armour. (ER -2) [potion of mutation]
322829 | Depths:3 | Lost mutation: You possess an exceptional clarity of mind.
                  | [potion of mutation]
322829 | Depths:3 | Gained mutation: You are very frail. (-20% HP) [potion of
                  | mutation]
322829 | Depths:3 | Gained mutation: Your flesh is heat resistant. (rF+)
                  | [potion of mutation]
322829 | Depths:3 | Gained mutation: A frigid envelope surrounds you and
                  | freezes all who hurt you. [potion of mutation]
322829 | Depths:3 | Gained mutation: Your movements are slightly less
                  | encumbered by armour. (ER -2) [potion of mutation]
322830 | Depths:3 | Lost mutation: Your movements are slightly less encumbered
                  | by armour. (ER -2) [potion of mutation]
322830 | Depths:3 | Lost mutation: Your flesh is heat resistant. (rF+) [potion
                  | of mutation]
322830 | Depths:3 | Gained mutation: You occasionally lose the ability to drink
                  | potions when taking damage. [potion of mutation]
322830 | Depths:3 | Gained mutation: Your skin changes colour to match your
                  | surroundings (Stealth+). [potion of mutation]
322831 | Depths:3 | Lost mutation: You are very frail. (-20% HP) [potion of
                  | mutation]
322831 | Depths:3 | Lost mutation: You occasionally lose the ability to drink
                  | potions when taking damage. [potion of mutation]
322831 | Depths:3 | Lost mutation: A frigid envelope surrounds you and freezes
                  | all who hurt you. [potion of mutation]
322831 | Depths:3 | Gained mutation: You are strong-willed. (Will+) [potion of
                  | mutation]
322831 | Depths:3 | Gained mutation: You are highly strong-willed. (Will++)
                  | [potion of mutation]
322832 | Depths:3 | Lost mutation: You are highly strong-willed. (Will++)
                  | [potion of mutation]
322832 | Depths:3 | Lost mutation: You are frail. (-10% HP) [potion of
                  | mutation]
322832 | Depths:3 | Gained mutation: You are agile. (Dex +4, Str/Int -1)
                  | [potion of mutation]
322832 | Depths:3 | Gained mutation: Armour fits poorly on your strangely
                  | shaped body. [potion of mutation]
322833 | Depths:3 | Lost mutation: You are strong-willed. (Will+) [potion of
                  | mutation]
322833 | Depths:3 | Lost mutation: You are agile. (Dex +4, Str/Int -1) [potion
                  | of mutation]
322833 | Depths:3 | Gained mutation: You have a somewhat thin skeletal
                  | structure. (Dex +2, Stealth+) [potion of mutation]
322833 | Depths:3 | Gained mutation: You have large cloven feet. [potion of
                  | mutation]
322833 | Depths:3 | Gained mutation: Your muscles are strong. (Str +4, Int/Dex
                  | -1) [potion of mutation]
322834 | Depths:3 | Lost mutation: Your muscles are strong. (Str +4, Int/Dex
                  | -1) [potion of mutation]
322834 | Depths:3 | Lost mutation: Your skin changes colour to match your
                  | surroundings (Stealth+). [potion of mutation]
322834 | Depths:3 | Gained mutation: Your spells are a little easier to cast,
                  | but a little less powerful. [potion of mutation]
322834 | Depths:3 | Gained mutation: Your muscles are strong. (Str +4, Int/Dex
                  | -1) [potion of mutation]
322835 | Depths:3 | Lost mutation: Armour fits poorly on your strangely shaped
                  | body. [potion of mutation]
322835 | Depths:3 | Lost mutation: You have large cloven feet. [potion of
                  | mutation]
322835 | Depths:3 | Lost mutation: Your spells are a little easier to cast, but
                  | a little less powerful. [potion of mutation]
322835 | Depths:3 | Gained mutation: You are dopey. (Int -2) [potion of
                  | mutation]
322835 | Depths:3 | Gained mutation: You are agile. (Dex +4, Str/Int -1)
                  | [potion of mutation]
322836 | Depths:3 | Lost mutation: You have a somewhat thin skeletal structure.
                  | (Dex +2, Stealth+) [potion of mutation]
322836 | Depths:3 | Lost mutation: Your muscles are strong. (Str +4, Int/Dex
                  | -1) [potion of mutation]
322836 | Depths:3 | Gained mutation: Your health recovers twice as slowly from
                  | being drained. [potion of mutation]
322836 | Depths:3 | Gained mutation: You are frail. (-10% HP) [potion of
                  | mutation]
322836 | Depths:3 | Lost mutation: Your health recovers twice as slowly from
                  | being drained. [potion of mutation]
322837 | Depths:3 | Lost mutation: You are frail. (-10% HP) [potion of
                  | mutation]
322837 | Depths:3 | Lost mutation: You are dopey. (Int -2) [potion of mutation]
322837 | Depths:3 | Lost mutation: You are agile. (Dex +4, Str/Int -1) [potion
                  | of mutation]
322837 | Depths:3 | Gained mutation: You have a pair of small horns on your
                  | head. [potion of mutation]
322837 | Depths:3 | Gained mutation: You are partially covered in iridescent
                  | scales. (AC +2) [potion of mutation]
322837 | Depths:3 | Gained mutation: A frigid envelope surrounds you and
                  | freezes all who hurt you. [potion of mutation]
322838 | Depths:3 | Lost mutation: You are partially covered in iridescent
                  | scales. (AC +2) [potion of mutation]
322838 | Depths:3 | Lost mutation: A frigid envelope surrounds you and freezes
                  | all who hurt you. [potion of mutation]
322838 | Depths:3 | Lost mutation: You have a pair of small horns on your head.
                  | [potion of mutation]
322838 | Depths:3 | Gained mutation: Your muscles are strong. (Str +4, Int/Dex
                  | -1) [potion of mutation]
322838 | Depths:3 | Gained mutation: You have a pair of small horns on your
                  | head. [potion of mutation]
322839 | Depths:3 | Lost mutation: You have a pair of small horns on your head.
                  | [potion of mutation]
322839 | Depths:3 | Lost mutation: Your muscles are strong. (Str +4, Int/Dex
                  | -1) [potion of mutation]
322839 | Depths:3 | Gained mutation: You have hidden genetic potential. [potion
                  | of mutation]
322839 | Depths:3 | Gained mutation: You have large cloven feet. [potion of
                  | mutation]
322839 | Depths:3 | Gained mutation: You have very sharp teeth. [potion of
                  | mutation]
322840 | Depths:3 | Lost mutation: You have very sharp teeth. [potion of
                  | mutation]
322840 | Depths:3 | Lost mutation: You have large cloven feet. [potion of
                  | mutation]
322840 | Depths:3 | Gained mutation: You have a somewhat thin skeletal
                  | structure. (Dex +2, Stealth+) [potion of mutation]
322841 | Depths:3 | Lost mutation: You have a somewhat thin skeletal structure.
                  | (Dex +2, Stealth+) [potion of mutation]
322841 | Depths:3 | Lost mutation: You have hidden genetic potential. [potion
                  | of mutation]
322841 | Depths:3 | Gained mutation: You are frail. (-10% HP) [potion of
                  | mutation]
322841 | Depths:3 | Gained mutation: You have hidden genetic potential. [potion
                  | of mutation]
322842 | Depths:3 | Lost mutation: You have hidden genetic potential. [potion
                  | of mutation]
322842 | Depths:3 | Lost mutation: You are frail. (-10% HP) [potion of
                  | mutation]
322842 | Depths:3 | Gained mutation: You are somewhat resistant to further
                  | mutation. [potion of mutation]
322843 | Depths:3 | Lost mutation: You are somewhat resistant to further
                  | mutation. [potion of mutation]
322843 | Depths:3 | Gained mutation: You have hidden genetic potential. [potion
                  | of mutation]
322843 | Depths:3 | Gained mutation: Your muscles are strong. (Str +4, Int/Dex
                  | -1) [potion of mutation]
322843 | Depths:3 | Gained mutation: Your natural rate of healing is unusually
                  | fast. [potion of mutation]
322843 | Depths:3 | Gained mutation: You have large cloven feet. [potion of
                  | mutation]
322844 | Depths:3 | Lost mutation: Your muscles are strong. (Str +4, Int/Dex
                  | -1) [potion of mutation]
322844 | Depths:3 | Lost mutation: Your natural rate of healing is unusually
                  | fast. [potion of mutation]
322844 | Depths:3 | Lost mutation: You have large cloven feet. [potion of
                  | mutation]
322844 | Depths:3 | Gained mutation: You expend magic power (3 MP) to
                  | strengthen your wands. [potion of mutation]
322844 | Depths:3 | Gained mutation: You passively map a small area around you.
                  | [potion of mutation]
322844 | Depths:3 | Gained mutation: You are strong-willed. (Will+) [potion of
                  | mutation]
322845 | Depths:3 | Lost mutation: You passively map a small area around you.
                  | [potion of mutation]
322845 | Depths:3 | Lost mutation: You expend magic power (3 MP) to strengthen
                  | your wands. [potion of mutation]
322845 | Depths:3 | Lost mutation: You have hidden genetic potential. [potion
                  | of mutation]
322845 | Depths:3 | Gained mutation: Your spells are a little easier to cast,
                  | but a little less powerful. [potion of mutation]
322845 | Depths:3 | Gained mutation: You have an increased reservoir of magic.
                  | (+10% MP) [potion of mutation]
322845 | Depths:3 | Gained mutation: You have a beak for a mouth. [potion of
                  | mutation]
322845 | Depths:3 | Gained mutation: You expend magic power (3 MP) to
                  | strengthen your wands. [potion of mutation]
322846 | Depths:3 | Lost mutation: You have a beak for a mouth. [potion of
                  | mutation]
322846 | Depths:3 | Lost mutation: You have an increased reservoir of magic.
                  | (+10% MP) [potion of mutation]
322846 | Depths:3 | Gained mutation: Your flesh is cold resistant. (rC+)
                  | [potion of mutation]
322846 | Depths:3 | Gained mutation: You have very sharp teeth. [potion of
                  | mutation]
322847 | Depths:3 | Lost mutation: Your spells are a little easier to cast, but
                  | a little less powerful. [potion of mutation]
322847 | Depths:3 | Lost mutation: You have very sharp teeth. [potion of
                  | mutation]
322847 | Depths:3 | Gained mutation: You occasionally lose the ability to read
                  | scrolls when taking damage. [potion of mutation]
322848 | Depths:3 | Lost mutation: You occasionally lose the ability to read
                  | scrolls when taking damage. [potion of mutation]
322848 | Depths:3 | Lost mutation: Your flesh is cold resistant. (rC+) [potion
                  | of mutation]
322848 | Depths:3 | Gained mutation: You have large cloven feet. [potion of
                  | mutation]
322848 | Depths:3 | Gained mutation: You have hoof-like feet. [potion of
                  | mutation]
322849 | Depths:3 | Lost mutation: You expend magic power (3 MP) to strengthen
                  | your wands. [potion of mutation]
322849 | Depths:3 | Lost mutation: You have hoof-like feet. [potion of
                  | mutation]
322849 | Depths:3 | Lost mutation: You have large cloven feet. [potion of
                  | mutation]
322849 | Depths:3 | Gained mutation: You occasionally shout uncontrollably at
                  | your foes. [potion of mutation]
322849 | Depths:3 | Gained mutation: You are robust. (+10% HP) [potion of
                  | mutation]
322850 | Depths:3 | Lost mutation: You are robust. (+10% HP) [potion of
                  | mutation]
322850 | Depths:3 | Lost mutation: You are strong-willed. (Will+) [potion of
                  | mutation]
322850 | Depths:3 | Gained mutation: You are clumsy. (Dex -2) [potion of
                  | mutation]
322850 | Depths:3 | Gained mutation: You possess an exceptional clarity of
                  | mind. [potion of mutation]
322851 | Depths:3 | Lost mutation: You possess an exceptional clarity of mind.
                  | [potion of mutation]
322851 | Depths:3 | Lost mutation: You are clumsy. (Dex -2) [potion of
                  | mutation]
322851 | Depths:3 | Gained mutation: You have large cloven feet. [potion of
                  | mutation]
322852 | Depths:3 | Lost mutation: You have large cloven feet. [potion of
                  | mutation]
322852 | Depths:3 | Lost mutation: You occasionally shout uncontrollably at
                  | your foes. [potion of mutation]
322852 | Depths:3 | Gained mutation: You are somewhat resistant to further
                  | mutation. [potion of mutation]
322853 | Depths:3 | Lost mutation: You are somewhat resistant to further
                  | mutation. [potion of mutation]
322853 | Depths:3 | Gained mutation: Your body sometimes deteriorates upon
                  | taking damage. [potion of mutation]
322854 | Depths:3 | Lost mutation: Your body sometimes deteriorates upon taking
                  | damage. [potion of mutation]
322854 | Depths:3 | Gained mutation: You occasionally lose the ability to read
                  | scrolls when taking damage. [potion of mutation]
322855 | Depths:3 | Lost mutation: You occasionally lose the ability to read
                  | scrolls when taking damage. [potion of mutation]
322855 | Depths:3 | Gained mutation: Your muscles are strong. (Str +4, Int/Dex
                  | -1) [potion of mutation]
322855 | Depths:3 | Gained mutation: You have large cloven feet. [potion of
                  | mutation]
322855 | Depths:3 | Gained mutation: You sometimes lose your temper in combat.
                  | [potion of mutation]
322856 | Depths:3 | Lost mutation: You have large cloven feet. [potion of
                  | mutation]
322856 | Depths:3 | Lost mutation: You sometimes lose your temper in combat.
                  | [potion of mutation]
322856 | Depths:3 | Lost mutation: Your muscles are strong. (Str +4, Int/Dex
                  | -1) [potion of mutation]
322856 | Depths:3 | Gained mutation: Potions are less effective at restoring
                  | your health. [potion of mutation]
322856 | Depths:3 | Gained mutation: You have hidden genetic defects. [potion
                  | of mutation]
322857 | Depths:3 | Lost mutation: Potions are less effective at restoring your
                  | health. [potion of mutation]
322857 | Depths:3 | Lost mutation: You have hidden genetic defects. [potion of
                  | mutation]
322857 | Depths:3 | Gained mutation: You have a pair of small horns on your
                  | head. [potion of mutation]
322857 | Depths:3 | Gained mutation: You occasionally lose the ability to drink
                  | potions when taking damage. [potion of mutation]
322857 | Depths:3 | Gained mutation: You have sharp toenails. [potion of
                  | mutation]
322857 | Depths:3 | Gained mutation: You possess an exceptional clarity of
                  | mind. [potion of mutation]
322858 | Depths:3 | Lost mutation: You have sharp toenails. [potion of
                  | mutation]
322858 | Depths:3 | Lost mutation: You possess an exceptional clarity of mind.
                  | [potion of mutation]
322858 | Depths:3 | Gained mutation: You are strong-willed. (Will+) [potion of
                  | mutation]
322859 | Depths:3 | Lost mutation: You occasionally lose the ability to drink
                  | potions when taking damage. [potion of mutation]
322859 | Depths:3 | Lost mutation: You have a pair of small horns on your head.
                  | [potion of mutation]
322859 | Depths:3 | Gained mutation: You have sharp toenails. [potion of
                  | mutation]
322860 | Depths:3 | Lost mutation: You are strong-willed. (Will+) [potion of
                  | mutation]
322860 | Depths:3 | Lost mutation: You have sharp toenails. [potion of
                  | mutation]
322860 | Depths:3 | Gained mutation: You are partially covered in iridescent
                  | scales. (AC +2) [potion of mutation]
322860 | Depths:3 | Gained mutation: You have a pair of small horns on your
                  | head. [potion of mutation]
322861 | Depths:3 | Lost mutation: You have a pair of small horns on your head.
                  | [potion of mutation]
322861 | Depths:3 | Lost mutation: You are partially covered in iridescent
                  | scales. (AC +2) [potion of mutation]
322861 | Depths:3 | Gained mutation: You have supernaturally acute eyesight.
                  | (SInv) [potion of mutation]
322861 | Depths:3 | Gained mutation: Your movements are slightly less
                  | encumbered by armour. (ER -2) [potion of mutation]
322861 | Depths:3 | Lost mutation: You have supernaturally acute eyesight.
                  | (SInv) [potion of mutation]
322861 | Depths:3 | Gained mutation: You possess an exceptional clarity of
                  | mind. [potion of mutation]
322862 | Depths:3 | Lost mutation: You possess an exceptional clarity of mind.
                  | [potion of mutation]
322862 | Depths:3 | Lost mutation: Your movements are slightly less encumbered
                  | by armour. (ER -2) [potion of mutation]
322862 | Depths:3 | Gained mutation: You are robust. (+10% HP) [potion of
                  | mutation]
322862 | Depths:3 | Gained mutation: Your muscles are strong. (Str +4, Int/Dex
                  | -1) [potion of mutation]
322863 | Depths:3 | Lost mutation: Your muscles are strong. (Str +4, Int/Dex
                  | -1) [potion of mutation]
322863 | Depths:3 | Lost mutation: You are robust. (+10% HP) [potion of
                  | mutation]
322863 | Depths:3 | Gained mutation: You possess an exceptional clarity of
                  | mind. [potion of mutation]
322863 | Depths:3 | Gained mutation: Your muscles are strong. (Str +4, Int/Dex
                  | -1) [potion of mutation]
322864 | Depths:3 | Lost mutation: You possess an exceptional clarity of mind.
                  | [potion of mutation]
322864 | Depths:3 | Lost mutation: Your muscles are strong. (Str +4, Int/Dex
                  | -1) [potion of mutation]
322864 | Depths:3 | Gained mutation: You passively dampen the noise of your
                  | surroundings. [potion of mutation]
322864 | Depths:3 | Lost mutation: You passively dampen the noise of your
                  | surroundings. [potion of mutation]
322865 | Depths:3 | Gained mutation: You are strong-willed. (Will+) [potion of
                  | mutation]
322865 | Depths:3 | Gained mutation: You are clumsy. (Dex -2) [potion of
                  | mutation]
322865 | Depths:3 | Gained mutation: You have sharp toenails. [potion of
                  | mutation]
322865 | Depths:3 | Gained mutation: You are robust. (+10% HP) [potion of
                  | mutation]
322866 | Depths:3 | Lost mutation: You are strong-willed. (Will+) [potion of
                  | mutation]
322866 | Depths:3 | Lost mutation: You have sharp toenails. [potion of
                  | mutation]
322866 | Depths:3 | Lost mutation: You are robust. (+10% HP) [potion of
                  | mutation]
322866 | Depths:3 | Gained mutation: You are frail. (-10% HP) [potion of
                  | mutation]
322866 | Depths:3 | Gained mutation: You are strong-willed. (Will+) [potion of
                  | mutation]
322866 | Depths:3 | Gained mutation: Your muscles are strong. (Str +4, Int/Dex
                  | -1) [potion of mutation]
322867 | Depths:3 | Lost mutation: You are strong-willed. (Will+) [potion of
                  | mutation]
322867 | Depths:3 | Lost mutation: Your muscles are strong. (Str +4, Int/Dex
                  | -1) [potion of mutation]
322867 | Depths:3 | Gained mutation: Your muscles are strong. (Str +4, Int/Dex
                  | -1) [potion of mutation]
322867 | Depths:3 | Gained mutation: Your spells are a little easier to cast,
                  | but a little less powerful. [potion of mutation]
322867 | Depths:3 | Lost mutation: Your muscles are strong. (Str +4, Int/Dex
                  | -1) [potion of mutation]
322868 | Depths:3 | Lost mutation: You are clumsy. (Dex -2) [potion of
                  | mutation]
322868 | Depths:3 | Lost mutation: You are frail. (-10% HP) [potion of
                  | mutation]
322868 | Depths:3 | Gained mutation: You are vulnerable to heat. (rF-) [potion
                  | of mutation]
322868 | Depths:3 | Gained mutation: You are clumsy. (Dex -2) [potion of
                  | mutation]
322868 | Depths:3 | Gained mutation: You expend magic power (3 MP) to
                  | strengthen your wands. [potion of mutation]
322868 | Depths:3 | Gained mutation: You passively map a small area around you.
                  | [potion of mutation]
322869 | Depths:3 | Lost mutation: You passively map a small area around you.
                  | [potion of mutation]
322869 | Depths:3 | Lost mutation: Your spells are a little easier to cast, but
                  | a little less powerful. [potion of mutation]
322869 | Depths:3 | Lost mutation: You are vulnerable to heat. (rF-) [potion of
                  | mutation]
322869 | Depths:3 | Gained mutation: You have a pair of small antennae on your
                  | head. [potion of mutation]
322869 | Depths:3 | Gained mutation: You are strong-willed. (Will+) [potion of
                  | mutation]
322870 | Depths:3 | Lost mutation: You expend magic power (3 MP) to strengthen
                  | your wands. [potion of mutation]
322870 | Depths:3 | Lost mutation: You are clumsy. (Dex -2) [potion of
                  | mutation]
322870 | Depths:3 | Lost mutation: You are strong-willed. (Will+) [potion of
                  | mutation]
322870 | Depths:3 | Gained mutation: You have supernaturally acute eyesight.
                  | (SInv) [potion of mutation]
322870 | Depths:3 | Gained mutation: You have a pair of antennae on your head.
                  | [potion of mutation]
322870 | Depths:3 | Gained mutation: Your flesh is cold resistant. (rC+)
                  | [potion of mutation]
323372 | Zig:1    | Entered Level 1 of a ziggurat
323372 | Zig:1    | Noticed Axkefaal the pandemonium lord
323372 | Zig:1    | Noticed Tekhly Couri the pandemonium lord
323372 | Zig:1    | Noticed Neruot the pandemonium lord
323372 | Zig:1    | Noticed Faugh the pandemonium lord
323372 | Zig:1    | Noticed Ziax the pandemonium lord
323374 | Zig:1    | Killed Tekhly Couri the pandemonium lord
323376 | Zig:1    | Killed Faugh the pandemonium lord
323377 | Zig:1    | Killed Neruot the pandemonium lord
323377 | Zig:1    | Killed Axkefaal the pandemonium lord
323382 | Zig:2    | Entered Level 2 of a ziggurat
323382 | Zig:2    | Noticed Rintudid the pandemonium lord
323387 | Zig:2    | Killed Rintudid the pandemonium lord
323582 | Zig:3    | Entered Level 3 of a ziggurat
323588 | Zig:3    | Identified the amulet of Sata {Acrobat *Slow Fly Int+5
                  | Slay-6}
323591 | Zig:4    | Entered Level 4 of a ziggurat
323591 | Zig:4    | Noticed a royal mummy
323591 | Zig:4    | Noticed a royal mummy
323591 | Zig:4    | Noticed a royal mummy
323591 | Zig:4    | Noticed a royal mummy
323591 | Zig:4    | Noticed a royal mummy
323591 | Zig:4    | Noticed a royal mummy
323591 | Zig:4    | Noticed a royal mummy
323591 | Zig:4    | Noticed a royal mummy
323592 | Zig:4    | Killed a royal mummy
323592 | Zig:4    | Killed a royal mummy
323592 | Zig:4    | Killed a royal mummy
323592 | Zig:4    | Killed a royal mummy
323592 | Zig:4    | Killed a royal mummy
323595 | Zig:4    | Killed a royal mummy
323595 | Zig:4    | Killed a royal mummy
323598 | Zig:4    | Killed a royal mummy
323736 | Zig:4    | Identified the +1 flail of Bewif {spect, Int+3 Dex+3}
323777 | Zig:4    | Identified the +1 demon blade "Keunu" {venom, rN+ rCorr
                  | Int+6}
323780 | Zig:4    | Identified the +8 morningstar of Nuunwyni {venom, rN++}
323808 | Zig:5    | Entered Level 5 of a ziggurat
323823 | Zig:6    | Entered Level 6 of a ziggurat
323823 | Zig:6    | Noticed a dread lich
323823 | Zig:6    | Noticed a dread lich
323823 | Zig:6    | Noticed a dread lich
323823 | Zig:6    | Noticed an ancient lich
323823 | Zig:6    | Noticed an ancient lich
323823 | Zig:6    | Noticed an ancient lich
323823 | Zig:6    | Noticed an ancient lich
323823 | Zig:6    | Noticed an ancient lich
323823 | Zig:6    | Noticed a dread lich
323823 | Zig:6    | Noticed an ancient lich
323823 | Zig:6    | Noticed a dread lich
323823 | Zig:6    | Noticed an ancient lich
323823 | Zig:6    | Noticed a dread lich
323823 | Zig:6    | Noticed a dread lich
323823 | Zig:6    | Noticed a dread lich
323823 | Zig:6    | Noticed an ancient lich
323823 | Zig:6    | Noticed a dread lich
323823 | Zig:6    | Noticed a dread lich
323823 | Zig:6    | Noticed a dread lich
323823 | Zig:6    | Noticed a dread lich
323823 | Zig:6    | Noticed a dread lich
323823 | Zig:6    | Noticed an ancient lich
323823 | Zig:6    | Noticed an ancient lich
323823 | Zig:6    | Noticed an ancient lich
323823 | Zig:6    | Noticed a dread lich
323823 | Zig:6    | Noticed an ancient lich
323823 | Zig:6    | Noticed an ancient lich
323823 | Zig:6    | Noticed an ancient lich
323823 | Zig:6    | Noticed an ancient lich
323824 | Zig:6    | Killed an ancient lich
323824 | Zig:6    | Killed an ancient lich
323824 | Zig:6    | Killed an ancient lich
323824 | Zig:6    | Killed an ancient lich
323824 | Zig:6    | Killed an ancient lich
323824 | Zig:6    | Killed a dread lich
323824 | Zig:6    | Killed a dread lich
323824 | Zig:6    | Killed a dread lich
323824 | Zig:6    | Killed a dread lich
323824 | Zig:6    | Killed a dread lich
323824 | Zig:6    | Killed a dread lich
323824 | Zig:6    | Killed a dread lich
323824 | Zig:6    | Killed an ancient lich
323824 | Zig:6    | Killed an ancient lich
323824 | Zig:6    | Killed an ancient lich
323825 | Zig:6    | Noticed a dread lich
323825 | Zig:6    | Noticed an ancient lich
323826 | Zig:6    | Noticed an ancient lich
323826 | Zig:6    | Noticed a dread lich
323826 | Zig:6    | Noticed a dread lich
323826 | Zig:6    | Noticed an ancient lich
323826 | Zig:6    | Noticed a dread lich
323826 | Zig:6    | Killed an ancient lich
323826 | Zig:6    | Killed an ancient lich
323827 | Zig:6    | Killed a dread lich
323827 | Zig:6    | Killed a dread lich
323827 | Zig:6    | Killed an ancient lich
323827 | Zig:6    | Killed a dread lich
323827 | Zig:6    | Killed a dread lich
323827 | Zig:6    | Killed an ancient lich
323827 | Zig:6    | Killed a dread lich
323827 | Zig:6    | Killed a dread lich
323827 | Zig:6    | Killed an ancient lich
323828 | Zig:6    | Noticed an ancient lich
323828 | Zig:6    | Noticed a dread lich
323828 | Zig:6    | Noticed a dread lich
323828 | Zig:6    | Killed a dread lich
323829 | Zig:6    | Noticed a dread lich
323829 | Zig:6    | Killed an ancient lich
323829 | Zig:6    | Killed an ancient lich
323829 | Zig:6    | Killed an ancient lich
323830 | Zig:6    | Killed a dread lich
323830 | Zig:6    | Killed an ancient lich
323830 | Zig:6    | Killed a dread lich
323830 | Zig:6    | Killed a dread lich
323830 | Zig:6    | Killed an ancient lich
323830 | Zig:6    | Killed a dread lich
323838 | Zig:6    | Identified the ring "Tioten" {rPois Will+ Int+6 SInv}
323838 | Zig:6    | Killed an ancient lich
323838 | Zig:6    | Killed a dread lich
323839 | Zig:6    | Killed a dread lich
323845 | Zig:7    | Entered Level 7 of a ziggurat
323845 | Zig:7    | Noticed a dread lich
323845 | Zig:7    | Noticed a dread lich
323845 | Zig:7    | Noticed a dread lich
323845 | Zig:7    | Noticed a dread lich
323845 | Zig:7    | Noticed a dread lich
323845 | Zig:7    | Noticed an ancient lich
323845 | Zig:7    | Noticed a dread lich
323845 | Zig:7    | Noticed an ancient lich
323845 | Zig:7    | Noticed an ancient lich
323845 | Zig:7    | Noticed an ancient lich
323845 | Zig:7    | Noticed an ancient lich
323845 | Zig:7    | Noticed a dread lich
323845 | Zig:7    | Noticed an ancient lich
323845 | Zig:7    | Noticed a dread lich
323845 | Zig:7    | Noticed a dread lich
323845 | Zig:7    | Noticed an ancient lich
323845 | Zig:7    | Noticed an ancient lich
323845 | Zig:7    | Noticed a dread lich
323845 | Zig:7    | Noticed an ancient lich
323845 | Zig:7    | Noticed a dread lich
323845 | Zig:7    | Noticed an ancient lich
323845 | Zig:7    | Noticed an ancient lich
323845 | Zig:7    | Noticed an ancient lich
323845 | Zig:7    | Noticed a dread lich
323846 | Zig:7    | Killed a dread lich
323846 | Zig:7    | Killed a dread lich
323846 | Zig:7    | Killed an ancient lich
323846 | Zig:7    | Killed an ancient lich
323846 | Zig:7    | Killed an ancient lich
323846 | Zig:7    | Killed a dread lich
323847 | Zig:7    | Noticed a dread lich
323847 | Zig:7    | Noticed an ancient lich
323847 | Zig:7    | Noticed a dread lich
323847 | Zig:7    | Noticed a dread lich
323848 | Zig:7    | Noticed a dread lich
323848 | Zig:7    | Noticed an ancient lich
323848 | Zig:7    | Noticed a dread lich
323848 | Zig:7    | Killed an ancient lich
323849 | Zig:7    | Noticed an ancient lich
323849 | Zig:7    | Killed an ancient lich
323849 | Zig:7    | Killed an ancient lich
323849 | Zig:7    | Killed a dread lich
323849 | Zig:7    | Killed an ancient lich
323849 | Zig:7    | Killed a dread lich
323849 | Zig:7    | Killed a dread lich
323849 | Zig:7    | Killed a dread lich
323849 | Zig:7    | Killed a dread lich
323849 | Zig:7    | Killed a dread lich
323849 | Zig:7    | Killed an ancient lich
323849 | Zig:7    | Killed a dread lich
323849 | Zig:7    | Killed an ancient lich
323849 | Zig:7    | Killed an ancient lich
323850 | Zig:7    | Noticed an ancient lich
323850 | Zig:7    | Noticed a dread lich
323850 | Zig:7    | Noticed a dread lich
323850 | Zig:7    | Noticed an ancient lich
323851 | Zig:7    | Noticed a dread lich
323851 | Zig:7    | Noticed a dread lich
323851 | Zig:7    | Noticed a dread lich
323851 | Zig:7    | Noticed an ancient lich
323851 | Zig:7    | Noticed a dread lich
323851 | Zig:7    | Killed a dread lich
323851 | Zig:7    | Killed an ancient lich
323851 | Zig:7    | Killed a dread lich
323852 | Zig:7    | Killed a dread lich
323852 | Zig:7    | Killed a dread lich
323852 | Zig:7    | Killed an ancient lich
323852 | Zig:7    | Killed a dread lich
323852 | Zig:7    | Killed an ancient lich
323852 | Zig:7    | Killed a dread lich
323852 | Zig:7    | Killed a dread lich
323853 | Zig:7    | Noticed an ancient lich
323853 | Zig:7    | Noticed an ancient lich
323853 | Zig:7    | Noticed an ancient lich
323853 | Zig:7    | Noticed a dread lich
323853 | Zig:7    | Noticed a dread lich
323853 | Zig:7    | Noticed an ancient lich
323854 | Zig:7    | Noticed a dread lich
323854 | Zig:7    | Noticed a dread lich
323855 | Zig:7    | Killed a dread lich
323855 | Zig:7    | Killed an ancient lich
323855 | Zig:7    | Killed an ancient lich
323855 | Zig:7    | Killed an ancient lich
323855 | Zig:7    | Killed a dread lich
323855 | Zig:7    | Killed an ancient lich
323855 | Zig:7    | Killed an ancient lich
323855 | Zig:7    | Killed a dread lich
323855 | Zig:7    | Killed an ancient lich
323856 | Zig:7    | Noticed a dread lich
323856 | Zig:7    | Killed a dread lich
323857 | Zig:7    | Killed an ancient lich
323857 | Zig:7    | Killed an ancient lich
323858 | Zig:7    | Killed a dread lich
323858 | Zig:7    | Killed a dread lich
323858 | Zig:7    | Killed a dread lich
323858 | Zig:7    | Killed a dread lich
323858 | Zig:7    | Killed a dread lich
323858 | Zig:7    | Killed a dread lich
323859 | Zig:7    | Killed an ancient lich
323863 | Zig:7    | Killed a dread lich
323913 | Zig:7    | Identified the staff "Giohalaa" {rElec rF- rN+++ Stlth+
                  | Conj Air}
324206 | Zig:8    | Entered Level 8 of a ziggurat
324212 | Zig:8    | Paralysed by accursed screaming for 1 turns
324526 | Zig:8    | Identified the +8 falchion "Busunt" {heavy, *Rage rElec
                  | rPois}
324532 | Zig:8    | Identified the staff of Damum {rElec rF++ Earth}
324540 | Zig:8    | Identified the dragon-blood talisman "Ereen" {*Corrode
                  | Str+3 Int+2}
324545 | Zig:8    | Identified the ring "Fasisig" {^Contam +Blink rF++ Dex+6
                  | Slay+2}
324550 | Zig:8    | Identified the ring "Gyhul" {Int+4 SInv}
324590 | Zig:9    | Entered Level 9 of a ziggurat
324616 | Zig:10   | Entered Level 10 of a ziggurat
324616 | Zig:10   | Noticed a juggernaut
324616 | Zig:10   | Noticed a juggernaut
324616 | Zig:10   | Noticed a juggernaut
324617 | Zig:10   | Killed a juggernaut
324617 | Zig:10   | Killed a juggernaut
324617 | Zig:10   | Killed a juggernaut
324618 | Zig:10   | Noticed a juggernaut
324618 | Zig:10   | Noticed a juggernaut
324620 | Zig:10   | Noticed a juggernaut
324620 | Zig:10   | Noticed a juggernaut
324621 | Zig:10   | Noticed a juggernaut
324622 | Zig:10   | Killed a juggernaut
324622 | Zig:10   | Noticed a juggernaut
324623 | Zig:10   | Noticed a juggernaut
324625 | Zig:10   | Noticed a juggernaut
324626 | Zig:10   | Noticed a juggernaut
324627 | Zig:10   | Killed a juggernaut
324627 | Zig:10   | Killed a juggernaut
324627 | Zig:10   | Killed a juggernaut
324628 | Zig:10   | Killed a juggernaut
324628 | Zig:10   | Killed a juggernaut
324630 | Zig:10   | Killed a juggernaut
324630 | Zig:10   | Killed a juggernaut
324633 | Zig:10   | Identified the +5 quarterstaff of Exquisite Death {speed,
                  | *Rage rElec rF+ Dex+5}
324634 | Zig:10   | Killed a juggernaut
324649 | Zig:10   | Identified the ring "Pirr" {Fire rElec Int+3}
324653 | Zig:10   | Identified the +4 orcbow of Areav Feamn {flame, rElec Will+
                  | Str-2}
324783 | Zig:10   | Identified the amulet "Ompujulo" {Acrobat Int+3}
324789 | Zig:10   | Identified the +0 plate armour "Edeolecs" {Regen+ Str+3}
325085 | Zig:11   | Entered Level 11 of a ziggurat
325104 | Zig:11   | Identified the +5 plate armour of Free Expression {rN+
                  | Dex+2}
325110 | Zig:12   | Entered Level 12 of a ziggurat
325110 | Zig:12   | Noticed a juggernaut
325110 | Zig:12   | Noticed a juggernaut
325110 | Zig:12   | Noticed a juggernaut
325110 | Zig:12   | Noticed a juggernaut
325110 | Zig:12   | Noticed a juggernaut
325110 | Zig:12   | Noticed a juggernaut
325110 | Zig:12   | Noticed a juggernaut
325110 | Zig:12   | Noticed a juggernaut
325110 | Zig:12   | Noticed a juggernaut
325110 | Zig:12   | Noticed a juggernaut
325110 | Zig:12   | Noticed a juggernaut
325110 | Zig:12   | Noticed a juggernaut
325110 | Zig:12   | Noticed a juggernaut
325110 | Zig:12   | Noticed a juggernaut
325110 | Zig:12   | Noticed a juggernaut
325110 | Zig:12   | Noticed a juggernaut
325110 | Zig:12   | Noticed a juggernaut
325111 | Zig:12   | Killed a juggernaut
325111 | Zig:12   | Killed a juggernaut
325111 | Zig:12   | Killed a juggernaut
325111 | Zig:12   | Killed a juggernaut
325111 | Zig:12   | Killed a juggernaut
325111 | Zig:12   | Killed a juggernaut
325111 | Zig:12   | Killed a juggernaut
325111 | Zig:12   | Killed a juggernaut
325111 | Zig:12   | Killed a juggernaut
325111 | Zig:12   | Killed a juggernaut
325111 | Zig:12   | Killed a juggernaut
325111 | Zig:12   | Killed a juggernaut
325113 | Zig:12   | Noticed a juggernaut
325113 | Zig:12   | Noticed a juggernaut
325113 | Zig:12   | Noticed a juggernaut
325113 | Zig:12   | Noticed a juggernaut
325113 | Zig:12   | Noticed a juggernaut
325113 | Zig:12   | Killed a juggernaut
325114 | Zig:12   | Noticed a juggernaut
325114 | Zig:12   | Killed a juggernaut
325115 | Zig:12   | Noticed a juggernaut
325115 | Zig:12   | Noticed a juggernaut
325115 | Zig:12   | Noticed a juggernaut
325115 | Zig:12   | Noticed a juggernaut
325115 | Zig:12   | Noticed a juggernaut
325115 | Zig:12   | Killed a juggernaut
325116 | Zig:12   | Killed a juggernaut
325116 | Zig:12   | Killed a juggernaut
325116 | Zig:12   | Killed a juggernaut
325116 | Zig:12   | Killed a juggernaut
325117 | Zig:12   | Noticed a juggernaut
325118 | Zig:12   | Noticed a juggernaut
325118 | Zig:12   | Killed a juggernaut
325118 | Zig:12   | Killed a juggernaut
325119 | Zig:12   | Killed a juggernaut
325120 | Zig:12   | Noticed a juggernaut
325121 | Zig:12   | Killed a juggernaut
325121 | Zig:12   | Killed a juggernaut
325121 | Zig:12   | Killed a juggernaut
325121 | Zig:12   | Killed a juggernaut
325121 | Zig:12   | Killed a juggernaut
325121 | Zig:12   | Killed a juggernaut
325122 | Zig:12   | Noticed a juggernaut
325125 | Zig:12   | Killed a juggernaut
325125 | Zig:12   | Killed a juggernaut
325125 | Zig:12   | Killed a juggernaut
325126 | Zig:12   | Killed a juggernaut
325127 | Zig:12   | Noticed a juggernaut
325133 | Zig:12   | Identified the +1 helmet of the Skies Above {rN+ Will+
                  | Stlth+}
325135 | Zig:12   | Killed a juggernaut
325533 | Zig:12   | Identified the +8 hand cannon "Orivilie" {antimagic, rN+}
325684 | Zig:12   | Identified the +3 buckler of Subjectivity {Str+3}
325688 | Zig:12   | Identified the ring "Veykumam" {rC+ Int+6}
325692 | Zig:12   | Identified the +4 long sword "Erchyepri" {flame, rF++ Int+2
                  | Dex-5}
325754 | Zig:13   | Entered Level 13 of a ziggurat
325771 | Zig:13   | Noticed Kubli the pandemonium lord
325773 | Zig:13   | Killed Kubli the pandemonium lord
325889 | Zig:13   | Identified the +4 ring mail of Lotwuz {rElec Dex+2}
325894 | Zig:13   | Identified the +4 plate armour of Generosity {rPois rC+}
325895 | Zig:13   | Identified the staff "Eskipresa" {Dex+6 SInv Stlth- Conj}
325946 | Zig:13   | Identified the ring "Hidij" {Will+ Str-3 Dex+2 Slay+5 SInv}
325948 | Zig:13   | Identified the ring "Soxing" {rC++ MP-9 EV+5 Dex+6}
325960 | Zig:13   | Identified the +3 falchion "Gyki" {freeze, rCorr Int+7
                  | Dex-5 Stlth-}
325961 | Zig:13   | Identified the +9 great mace of Awadyko {drain, Stlth+}
325963 | Zig:13   | Identified the +4 chain mail of Jigsaw {Str+2 Int+3 Stlth+}
325968 | Zig:13   | Identified the +7 mace "Qiniax" {freeze, rF+ rC+ Int+3
                  | SInv}
325969 | Zig:13   | Identified the +5 acid dragon scales of Hospitality {rCorr
                  | Int+3}
325980 | Zig:13   | Identified the staff of Makhleb's Wrath {Str-2 Dex-4 Conj
                  | Fire Ice}
326448 | Zig:14   | Entered Level 14 of a ziggurat
327027 | Zig:14   | Identified the +1 halberd "Avepleetsa" {elec, Dex+2}
327032 | Zig:14   | Identified the +12 shortbow of Arbitration {speed, Int+2
                  | SInv}
327045 | Zig:14   | Identified the +0 ring mail of a treasure trove {rN+ Will+
                  | rCorr Int-2}
327120 | Zig:15   | Entered Level 15 of a ziggurat
327149 | Zig:15   | Identified the +11 triple crossbow of the Tent {flame,
                  | Int+5 Dex-5}
327245 | Zig:15   | Identified the staff of Poylex {*Slow rF+ Dex+3 Hexes Fire}
327246 | Zig:15   | Identified the +6 falchion of Zin, Telling {flame, rCorr
                  | Int+3 Stlth+}
327250 | Zig:15   | Identified the +6 trident of the Nine Places {freeze,
                  | *Noise rN+ SInv}
327282 | Zig:15   | Identified the +13 plate armour of Astraos {Regen+}
327324 | Zig:15   | Identified the +3 flail of Death's Door {venom, +Blink rC-
                  | Will+}
327934 | Zig:16   | Entered Level 16 of a ziggurat
327934 | Zig:16   | Noticed an orb of fire
327934 | Zig:16   | Noticed an orb of fire
327934 | Zig:16   | Noticed an orb of fire
327934 | Zig:16   | Noticed an orb of fire
327934 | Zig:16   | Noticed an orb of fire
327934 | Zig:16   | Noticed an orb of fire
327934 | Zig:16   | Noticed an orb of fire
327934 | Zig:16   | Noticed an orb of fire
327934 | Zig:16   | Noticed an orb of fire
327934 | Zig:16   | Noticed an orb of fire
327934 | Zig:16   | Noticed an orb of fire
327934 | Zig:16   | Noticed an orb of fire
327934 | Zig:16   | Noticed an orb of fire
327934 | Zig:16   | Noticed an orb of fire
327934 | Zig:16   | Noticed an orb of fire
327934 | Zig:16   | Noticed an orb of fire
327934 | Zig:16   | Noticed an orb of fire
327934 | Zig:16   | Noticed an orb of fire
327934 | Zig:16   | Noticed an orb of fire
327934 | Zig:16   | Noticed an orb of fire
327934 | Zig:16   | Noticed an orb of fire
327934 | Zig:16   | Noticed an orb of fire
327934 | Zig:16   | Noticed an orb of fire
327934 | Zig:16   | Noticed an orb of fire
327934 | Zig:16   | Noticed an orb of fire
327937 | Zig:16   | Killed an orb of fire
327938 | Zig:16   | Noticed an orb of fire
327938 | Zig:16   | Killed an orb of fire
327938 | Zig:16   | Killed an orb of fire
327938 | Zig:16   | Killed an orb of fire
327938 | Zig:16   | Killed an orb of fire
327938 | Zig:16   | Killed an orb of fire
327938 | Zig:16   | Noticed an orb of fire
327938 | Zig:16   | Noticed an orb of fire
327939 | Zig:16   | Noticed an orb of fire
327939 | Zig:16   | Noticed an orb of fire
327939 | Zig:16   | Noticed an orb of fire
327939 | Zig:16   | Noticed an orb of fire
327939 | Zig:16   | Noticed an orb of fire
327940 | Zig:16   | Noticed an orb of fire
327940 | Zig:16   | Noticed an orb of fire
327941 | Zig:16   | Noticed an orb of fire
327941 | Zig:16   | Killed an orb of fire
327941 | Zig:16   | Killed an orb of fire
327941 | Zig:16   | Killed an orb of fire
327941 | Zig:16   | Killed an orb of fire
327941 | Zig:16   | Killed an orb of fire
327941 | Zig:16   | Killed an orb of fire
327941 | Zig:16   | Noticed an orb of fire
327941 | Zig:16   | Noticed an orb of fire
327941 | Zig:16   | Noticed an orb of fire
327943 | Zig:16   | Killed an orb of fire
327943 | Zig:16   | Killed an orb of fire
327943 | Zig:16   | Killed an orb of fire
327943 | Zig:16   | Killed an orb of fire
327943 | Zig:16   | Killed an orb of fire
327943 | Zig:16   | Noticed an orb of fire
327943 | Zig:16   | Noticed an orb of fire
327943 | Zig:16   | Noticed an orb of fire
327944 | Zig:16   | Killed an orb of fire
327944 | Zig:16   | Killed an orb of fire
327944 | Zig:16   | Killed an orb of fire
327944 | Zig:16   | Noticed an orb of fire
327944 | Zig:16   | Noticed an orb of fire
327945 | Zig:16   | Noticed an orb of fire
327945 | Zig:16   | Killed an orb of fire
327945 | Zig:16   | Killed an orb of fire
327945 | Zig:16   | Killed an orb of fire
327945 | Zig:16   | Killed an orb of fire
327945 | Zig:16   | Killed an orb of fire
327945 | Zig:16   | Killed an orb of fire
327945 | Zig:16   | Killed an orb of fire
327945 | Zig:16   | Killed an orb of fire
327945 | Zig:16   | Noticed an orb of fire
327945 | Zig:16   | Noticed an orb of fire
327945 | Zig:16   | Noticed an orb of fire
327946 | Zig:16   | Killed an orb of fire
327946 | Zig:16   | Killed an orb of fire
327946 | Zig:16   | Killed an orb of fire
327946 | Zig:16   | Killed an orb of fire
327946 | Zig:16   | Killed an orb of fire
327946 | Zig:16   | Killed an orb of fire
327947 | Zig:16   | Noticed an orb of fire
327947 | Zig:16   | Killed an orb of fire
327947 | Zig:16   | Killed an orb of fire
327947 | Zig:16   | Killed an orb of fire
327947 | Zig:16   | Noticed an orb of fire
327947 | Zig:16   | Noticed an orb of fire
327947 | Zig:16   | Noticed an orb of fire
327948 | Zig:16   | Killed an orb of fire
327948 | Zig:16   | Killed an orb of fire
327948 | Zig:16   | Noticed an orb of fire
327948 | Zig:16   | Noticed an orb of fire
327948 | Zig:16   | Noticed an orb of fire
327948 | Zig:16   | Noticed an orb of fire
327949 | Zig:16   | Noticed an orb of fire
327949 | Zig:16   | Noticed an orb of fire
327949 | Zig:16   | Noticed an orb of fire
327949 | Zig:16   | Noticed an orb of fire
327949 | Zig:16   | Noticed an orb of fire
327949 | Zig:16   | Noticed an orb of fire
327950 | Zig:16   | Noticed an orb of fire
327950 | Zig:16   | Noticed an orb of fire
327950 | Zig:16   | Killed an orb of fire
327950 | Zig:16   | Killed an orb of fire
327950 | Zig:16   | Killed an orb of fire
327950 | Zig:16   | Killed an orb of fire
327950 | Zig:16   | Killed an orb of fire
327950 | Zig:16   | Noticed an orb of fire
327951 | Zig:16   | Noticed an orb of fire
327952 | Zig:16   | Noticed an orb of fire
327952 | Zig:16   | Noticed an orb of fire
327952 | Zig:16   | Noticed an orb of fire
327953 | Zig:16   | Killed an orb of fire
327953 | Zig:16   | Killed an orb of fire
327953 | Zig:16   | Killed an orb of fire
327953 | Zig:16   | Killed an orb of fire
327953 | Zig:16   | Killed an orb of fire
327953 | Zig:16   | Killed an orb of fire
327953 | Zig:16   | Killed an orb of fire
327954 | Zig:16   | Noticed an orb of fire
327954 | Zig:16   | Noticed an orb of fire
327955 | Zig:16   | Killed an orb of fire
327955 | Zig:16   | Killed an orb of fire
327955 | Zig:16   | Killed an orb of fire
327955 | Zig:16   | Killed an orb of fire
327955 | Zig:16   | Killed an orb of fire
327955 | Zig:16   | Killed an orb of fire
327955 | Zig:16   | Killed an orb of fire
327955 | Zig:16   | Killed an orb of fire
327955 | Zig:16   | Killed an orb of fire
327955 | Zig:16   | Killed an orb of fire
327955 | Zig:16   | Noticed an orb of fire
327955 | Zig:16   | Noticed an orb of fire
327956 | Zig:16   | Noticed an orb of fire
327956 | Zig:16   | Noticed an orb of fire
327956 | Zig:16   | Noticed an orb of fire
327956 | Zig:16   | Noticed an orb of fire
327956 | Zig:16   | Noticed an orb of fire
327956 | Zig:16   | Noticed an orb of fire
327956 | Zig:16   | Noticed an orb of fire
327957 | Zig:16   | Killed an orb of fire
327957 | Zig:16   | Killed an orb of fire
327957 | Zig:16   | Noticed an orb of fire
327957 | Zig:16   | Noticed an orb of fire
327958 | Zig:16   | Noticed an orb of fire
327958 | Zig:16   | Noticed an orb of fire
327958 | Zig:16   | Noticed an orb of fire
327958 | Zig:16   | Noticed an orb of fire
327958 | Zig:16   | Noticed an orb of fire
327958 | Zig:16   | Noticed an orb of fire
327959 | Zig:16   | Noticed an orb of fire
327959 | Zig:16   | Noticed an orb of fire
327959 | Zig:16   | Noticed an orb of fire
327959 | Zig:16   | Noticed an orb of fire
327959 | Zig:16   | Noticed an orb of fire
327959 | Zig:16   | Noticed an orb of fire
327960 | Zig:16   | Noticed an orb of fire
327960 | Zig:16   | Killed an orb of fire
327960 | Zig:16   | Killed an orb of fire
327960 | Zig:16   | Killed an orb of fire
327961 | Zig:16   | Noticed an orb of fire
327961 | Zig:16   | Noticed an orb of fire
327961 | Zig:16   | Noticed an orb of fire
327961 | Zig:16   | Noticed an orb of fire
327961 | Zig:16   | Noticed an orb of fire
327962 | Zig:16   | Noticed an orb of fire
327962 | Zig:16   | Noticed an orb of fire
327962 | Zig:16   | Killed an orb of fire
327962 | Zig:16   | Killed an orb of fire
327962 | Zig:16   | Killed an orb of fire
327963 | Zig:16   | Killed an orb of fire
327963 | Zig:16   | Killed an orb of fire
327963 | Zig:16   | Killed an orb of fire
327963 | Zig:16   | Killed an orb of fire
327963 | Zig:16   | Noticed an orb of fire
327964 | Zig:16   | Killed an orb of fire
327964 | Zig:16   | Killed an orb of fire
327964 | Zig:16   | Killed an orb of fire
327964 | Zig:16   | Killed an orb of fire
327964 | Zig:16   | Killed an orb of fire
327964 | Zig:16   | Killed an orb of fire
327964 | Zig:16   | Killed an orb of fire
327964 | Zig:16   | Killed an orb of fire
327964 | Zig:16   | Killed an orb of fire
327964 | Zig:16   | Killed an orb of fire
327964 | Zig:16   | Killed an orb of fire
327964 | Zig:16   | Noticed an orb of fire
327964 | Zig:16   | Noticed an orb of fire
327964 | Zig:16   | Noticed an orb of fire
327964 | Zig:16   | Noticed an orb of fire
327965 | Zig:16   | Noticed an orb of fire
327965 | Zig:16   | Noticed an orb of fire
327965 | Zig:16   | Noticed an orb of fire
327965 | Zig:16   | Noticed an orb of fire
327966 | Zig:16   | Noticed an orb of fire
327966 | Zig:16   | Noticed an orb of fire
327966 | Zig:16   | Killed an orb of fire
327966 | Zig:16   | Killed an orb of fire
327966 | Zig:16   | Killed an orb of fire
327966 | Zig:16   | Killed an orb of fire
327966 | Zig:16   | Killed an orb of fire
327966 | Zig:16   | Killed an orb of fire
327967 | Zig:16   | Noticed an orb of fire
327967 | Zig:16   | Noticed an orb of fire
327967 | Zig:16   | Killed an orb of fire
327968 | Zig:16   | Killed an orb of fire
327968 | Zig:16   | Killed an orb of fire
327968 | Zig:16   | Killed an orb of fire
327968 | Zig:16   | Killed an orb of fire
327968 | Zig:16   | Killed an orb of fire
327968 | Zig:16   | Noticed an orb of fire
327968 | Zig:16   | Killed an orb of fire
327969 | Zig:16   | Noticed an orb of fire
327969 | Zig:16   | Noticed an orb of fire
327970 | Zig:16   | Killed an orb of fire
327970 | Zig:16   | Killed an orb of fire
327970 | Zig:16   | Killed an orb of fire
327970 | Zig:16   | Killed an orb of fire
327970 | Zig:16   | Killed an orb of fire
327971 | Zig:16   | Noticed an orb of fire
327971 | Zig:16   | Killed an orb of fire
327971 | Zig:16   | Killed an orb of fire
327971 | Zig:16   | Killed an orb of fire
327971 | Zig:16   | Killed an orb of fire
327971 | Zig:16   | Killed an orb of fire
327971 | Zig:16   | Killed an orb of fire
327972 | Zig:16   | Killed an orb of fire
327972 | Zig:16   | Killed an orb of fire
327972 | Zig:16   | Killed an orb of fire
327973 | Zig:16   | Noticed an orb of fire
327973 | Zig:16   | Noticed an orb of fire
327974 | Zig:16   | Killed an orb of fire
327974 | Zig:16   | Killed an orb of fire
327974 | Zig:16   | Killed an orb of fire
327974 | Zig:16   | Killed an orb of fire
327974 | Zig:16   | Killed an orb of fire
327974 | Zig:16   | Killed an orb of fire
327977 | Zig:16   | Noticed an orb of fire
327981 | Zig:16   | Killed an orb of fire
327981 | Zig:16   | Killed an orb of fire
327981 | Zig:16   | Killed an orb of fire
327983 | Zig:16   | Killed an orb of fire
327983 | Zig:16   | Killed an orb of fire
328344 | Zig:16   | Identified the staff "Panwis" {rF+++ Will- Int+2 Summ
                  | Earth}
328346 | Zig:16   | Identified the +5 demon blade of Tely {elec, rCorr}
328448 | Zig:16   | Identified the +6 morningstar of the Freezing Gods {flame,
                  | rPois Will+}
328500 | Zig:16   | Identified the +1 chain mail of the Storm King {rElec rF-
                  | Str+6 Stlth+}
328595 | Zig:17   | Entered Level 17 of a ziggurat
328623 | Zig:17   | Identified the +1 chain mail of Selal {Harm}
328794 | Zig:17   | Identified the +7 scimitar of Xuoleen {freeze, Int+2 Dex+2}
328796 | Zig:17   | Identified the ring "Tentuh" {Ice rN+++ Will++ Dex-2}
328803 | Zig:17   | Identified the +1 leather armour of Joy {Int+4}
328813 | Zig:17   | Identified the +2 battleaxe "Qarischa" {protect, rPois}
328850 | Zig:17   | Identified the +1 plate armour "Huluteah" {rCorr}
329481 | Zig:18   | Entered Level 18 of a ziggurat
329522 | Zig:18   | Identified the +9 shortbow "Pendulum" {flame, rPois Will+
                  | MP+9}
330101 | Zig:18   | Identified the +2 robe of Vlad {+Inv}
330144 | Zig:18   | Identified the +6 shortbow "Hief" {heavy, ^Drain rElec
                  | Int+8}
330220 | Zig:18   | Identified the scarf of Duvveyto {harm, Int+2}
330225 | Zig:18   | Identified the ring "Egular" {Wiz rN++}
330237 | Zig:18   | Identified the +6 plate armour "Oleha" {Fly rN++ Int+2
                  | SInv}
330254 | Zig:18   | Identified the +1 pair of gloves "Ukyotaze" {rPois}
330285 | Zig:18   | Identified the ring "Isaefoal" {Fly rF+}
330288 | Zig:18   | Identified the +9 spear of Bloodstone {heavy, rN+ Stlth+}
330297 | Zig:18   | Identified the +4 morningstar of Action {pain, Int+3}
330307 | Zig:18   | Identified the +6 flail "Aguuptu" {flame, Dex+3}
330390 | Zig:19   | Entered Level 19 of a ziggurat
330390 | Zig:19   | Noticed an ancient lich
330390 | Zig:19   | Noticed an ancient lich
330390 | Zig:19   | Noticed an ancient lich
330390 | Zig:19   | Noticed an ancient lich
330392 | Zig:19   | Killed an ancient lich
330392 | Zig:19   | Killed an ancient lich
330393 | Zig:19   | Noticed an ancient lich
330393 | Zig:19   | Noticed an ancient lich
330394 | Zig:19   | Noticed an ancient lich
330394 | Zig:19   | Noticed an ancient lich
330395 | Zig:19   | Killed an ancient lich
330395 | Zig:19   | Killed an ancient lich
330395 | Zig:19   | Killed an ancient lich
330395 | Zig:19   | Killed an ancient lich
330396 | Zig:19   | Killed an ancient lich
330396 | Zig:19   | Noticed an ancient lich
330397 | Zig:19   | Noticed an ancient lich
330397 | Zig:19   | Noticed an ancient lich
330398 | Zig:19   | Killed an ancient lich
330398 | Zig:19   | Killed an ancient lich
330398 | Zig:19   | Killed an ancient lich
330398 | Zig:19   | Killed an ancient lich
330399 | Zig:19   | Noticed an ancient lich
330399 | Zig:19   | Killed an ancient lich
330399 | Zig:19   | Noticed an ancient lich
330400 | Zig:19   | Noticed an ancient lich
330400 | Zig:19   | Killed an ancient lich
330401 | Zig:19   | Noticed an ancient lich
330401 | Zig:19   | Noticed an ancient lich
330401 | Zig:19   | Noticed an ancient lich
330401 | Zig:19   | Noticed an ancient lich
330402 | Zig:19   | Noticed an ancient lich
330402 | Zig:19   | Killed an ancient lich
330403 | Zig:19   | Noticed an ancient lich
330403 | Zig:19   | Noticed an ancient lich
330403 | Zig:19   | Noticed an ancient lich
330403 | Zig:19   | Noticed an ancient lich
330403 | Zig:19   | Killed an ancient lich
330403 | Zig:19   | Killed an ancient lich
330404 | Zig:19   | Killed an ancient lich
330404 | Zig:19   | Killed an ancient lich
330404 | Zig:19   | Killed an ancient lich
330404 | Zig:19   | Killed an ancient lich
330404 | Zig:19   | Killed an ancient lich
330404 | Zig:19   | Noticed an ancient lich
330405 | Zig:19   | Killed an ancient lich
330405 | Zig:19   | Killed an ancient lich
330405 | Zig:19   | Killed an ancient lich
330405 | Zig:19   | Killed an ancient lich
330405 | Zig:19   | Noticed an ancient lich
330406 | Zig:19   | Killed an ancient lich
330407 | Zig:19   | Noticed an ancient lich
330411 | Zig:19   | Noticed an ancient lich
330412 | Zig:19   | Noticed an ancient lich
330415 | Zig:19   | Killed an ancient lich
330415 | Zig:19   | Killed an ancient lich
330416 | Zig:19   | Noticed an ancient lich
330417 | Zig:19   | Noticed an ancient lich
330417 | Zig:19   | Killed an ancient lich
330419 | Zig:19   | Noticed an ancient lich
330420 | Zig:19   | Noticed an ancient lich
330421 | Zig:19   | Killed an ancient lich
330421 | Zig:19   | Killed an ancient lich
330421 | Zig:19   | Killed an ancient lich
330421 | Zig:19   | Noticed an ancient lich
330422 | Zig:19   | Noticed an ancient lich
330422 | Zig:19   | Noticed an ancient lich
330423 | Zig:19   | Noticed an ancient lich
330423 | Zig:19   | Noticed an ancient lich
330423 | Zig:19   | Noticed an ancient lich
330423 | Zig:19   | Noticed an ancient lich
330424 | Zig:19   | Killed an ancient lich
330424 | Zig:19   | Killed an ancient lich
330424 | Zig:19   | Killed an ancient lich
330425 | Zig:19   | Killed an ancient lich
330425 | Zig:19   | Killed an ancient lich
330426 | Zig:19   | Noticed an ancient lich
330426 | Zig:19   | Noticed an ancient lich
330426 | Zig:19   | Noticed an ancient lich
330429 | Zig:19   | Killed an ancient lich
330429 | Zig:19   | Killed an ancient lich
330429 | Zig:19   | Killed an ancient lich
330429 | Zig:19   | Killed an ancient lich
330429 | Zig:19   | Killed an ancient lich
330429 | Zig:19   | Killed an ancient lich
330430 | Zig:19   | Noticed an ancient lich
330431 | Zig:19   | Noticed an ancient lich
330432 | Zig:19   | Killed an ancient lich
330433 | Zig:19   | Noticed an ancient lich
330435 | Zig:19   | Killed an ancient lich
330438 | Zig:19   | Killed an ancient lich
330514 | Zig:19   | Identified the +8 long sword "Cailing" {flame, *Noise rC+
                  | rCorr Int+3}
330529 | Zig:19   | Identified the amulet of Law {Harm Regen+}
330539 | Zig:19   | Identified the ring "Xische Kenae" {rPois rF+ rC++ rN+
                  | Slay+4}
330551 | Zig:19   | Identified the +2 falchion "Nesuf" {speed, rF+ Int+2}
330567 | Zig:19   | Identified the +2 rapier of Optimality {flame, Dex+3}
330575 | Zig:19   | Identified the +2 robe of the Hills {rCorr Int+2 Slay+2}
330599 | Zig:19   | Identified the +0 broad axe of Division {protect, *Slow
                  | rElec rF- rC++}
331314 | Zig:19   | Learned a level 4 spell: Vhi's Electric Charge
331319 | Zig:19   | Learned a level 4 spell: Martyr's Knell
331331 | Zig:20   | Entered Level 20 of a ziggurat
331929 | Zig:20   | Identified the +1 sling "Durysk" {freeze, rC+}
331999 | Zig:20   | Identified the +5 mace of Ipsituom {drain, +Blink Int+3}
332021 | Zig:20   | Identified the ring "Kieroph" {rElec rC+ Dex+3}
332073 | Zig:20   | Identified the staff of Koonofu {^Contam rN+ Will+ Str+3
                  | Necro}
332078 | Zig:20   | Identified the +6 demon whip "Zohadoff" {vamp, rElec MP+9}
332110 | Zig:20   | Identified the ring of the Spines {rF- rCorr EV+5 Int+8}
332117 | Zig:20   | Identified the +4 short sword of Conflict {freeze, rF+
                  | Int+4}
332126 | Zig:20   | Identified the staff "Death Rattle" {rPois rN+ Str+3 Necro
                  | Alchemy}
332143 | Zig:20   | Identified the +1 battleaxe of Unreason {venom, Fly rCorr
                  | Int-4 SInv}
332145 | Zig:20   | Identified the +10 orcbow of Putrescence {flame, *Slow rN+
                  | Will+ SInv}
332147 | Zig:20   | Identified the +4 battleaxe of Duty {flame, rN++}
332166 | Zig:20   | Identified the ring of Cyphiat {rC+ MP+9 Stlth+}
332168 | Zig:20   | Identified the +5 ring mail of Omicwapn {rF+ Int+2}
332273 | Zig:21   | Entered Level 21 of a ziggurat
332273 | Zig:21   | Noticed a juggernaut
332273 | Zig:21   | Noticed a juggernaut
332273 | Zig:21   | Noticed a juggernaut
332273 | Zig:21   | Noticed a juggernaut
332273 | Zig:21   | Noticed a juggernaut
332273 | Zig:21   | Noticed a juggernaut
332274 | Zig:21   | Killed a juggernaut
332274 | Zig:21   | Killed a juggernaut
332274 | Zig:21   | Killed a juggernaut
332275 | Zig:21   | Noticed a juggernaut
332276 | Zig:21   | Noticed a juggernaut
332276 | Zig:21   | Noticed a juggernaut
332276 | Zig:21   | Noticed a juggernaut
332277 | Zig:21   | Noticed a juggernaut
332277 | Zig:21   | Noticed a juggernaut
332278 | Zig:21   | Noticed a juggernaut
332279 | Zig:21   | Killed a juggernaut
332279 | Zig:21   | Killed a juggernaut
332279 | Zig:21   | Killed a juggernaut
332280 | Zig:21   | Noticed a juggernaut
332282 | Zig:21   | Noticed a juggernaut
332282 | Zig:21   | Noticed a juggernaut
332282 | Zig:21   | Killed a juggernaut
332282 | Zig:21   | Killed a juggernaut
332282 | Zig:21   | Killed a juggernaut
332282 | Zig:21   | Killed a juggernaut
332282 | Zig:21   | Killed a juggernaut
332282 | Zig:21   | Noticed a juggernaut
332283 | Zig:21   | Noticed a juggernaut
332283 | Zig:21   | Noticed a juggernaut
332283 | Zig:21   | Noticed a juggernaut
332284 | Zig:21   | Noticed a juggernaut
332284 | Zig:21   | Noticed a juggernaut
332284 | Zig:21   | Killed a juggernaut
332284 | Zig:21   | Killed a juggernaut
332284 | Zig:21   | Killed a juggernaut
332284 | Zig:21   | Killed a juggernaut
332285 | Zig:21   | Noticed a juggernaut
332285 | Zig:21   | Noticed a juggernaut
332285 | Zig:21   | Noticed a juggernaut
332285 | Zig:21   | Noticed a juggernaut
332285 | Zig:21   | Noticed a juggernaut
332285 | Zig:21   | Noticed a juggernaut
332285 | Zig:21   | Noticed a juggernaut
332285 | Zig:21   | Noticed a juggernaut
332285 | Zig:21   | Noticed a juggernaut
332285 | Zig:21   | Noticed a juggernaut
332286 | Zig:21   | Noticed a juggernaut
332286 | Zig:21   | Noticed a juggernaut
332286 | Zig:21   | Noticed a juggernaut
332286 | Zig:21   | Noticed a juggernaut
332286 | Zig:21   | Killed a juggernaut
332286 | Zig:21   | Noticed a juggernaut
332286 | Zig:21   | Killed a juggernaut
332287 | Zig:21   | Killed a juggernaut
332287 | Zig:21   | Killed a juggernaut
332287 | Zig:21   | Killed a juggernaut
332287 | Zig:21   | Killed a juggernaut
332287 | Zig:21   | Killed a juggernaut
332287 | Zig:21   | Killed a juggernaut
332287 | Zig:21   | Killed a juggernaut
332287 | Zig:21   | Killed a juggernaut
332287 | Zig:21   | Killed a juggernaut
332288 | Zig:21   | Noticed a juggernaut
332288 | Zig:21   | Noticed a juggernaut
332288 | Zig:21   | Noticed a juggernaut
332288 | Zig:21   | Killed a juggernaut
332288 | Zig:21   | Noticed a juggernaut
332288 | Zig:21   | Noticed a juggernaut
332289 | Zig:21   | Noticed a juggernaut
332289 | Zig:21   | Noticed a juggernaut
332289 | Zig:21   | Noticed a juggernaut
332290 | Zig:21   | Killed a juggernaut
332290 | Zig:21   | Killed a juggernaut
332290 | Zig:21   | Killed a juggernaut
332290 | Zig:21   | Killed a juggernaut
332290 | Zig:21   | Killed a juggernaut
332290 | Zig:21   | Killed a juggernaut
332290 | Zig:21   | Killed a juggernaut
332290 | Zig:21   | Killed a juggernaut
332290 | Zig:21   | Killed a juggernaut
332291 | Zig:21   | Noticed a juggernaut
332291 | Zig:21   | Noticed a juggernaut
332291 | Zig:21   | Killed a juggernaut
332291 | Zig:21   | Killed a juggernaut
332292 | Zig:21   | Noticed a juggernaut
332292 | Zig:21   | Noticed a juggernaut
332292 | Zig:21   | Noticed a juggernaut
332292 | Zig:21   | Killed a juggernaut
332292 | Zig:21   | Noticed a juggernaut
332292 | Zig:21   | Noticed a juggernaut
332293 | Zig:21   | Killed a juggernaut
332293 | Zig:21   | Killed a juggernaut
332293 | Zig:21   | Killed a juggernaut
332293 | Zig:21   | Killed a juggernaut
332294 | Zig:21   | Noticed a juggernaut
332294 | Zig:21   | Noticed a juggernaut
332294 | Zig:21   | Killed a juggernaut
332295 | Zig:21   | Noticed a juggernaut
332295 | Zig:21   | Noticed a juggernaut
332295 | Zig:21   | Noticed a juggernaut
332295 | Zig:21   | Noticed a juggernaut
332296 | Zig:21   | Killed a juggernaut
332296 | Zig:21   | Killed a juggernaut
332296 | Zig:21   | Killed a juggernaut
332296 | Zig:21   | Killed a juggernaut
332296 | Zig:21   | Killed a juggernaut
332296 | Zig:21   | Killed a juggernaut
332296 | Zig:21   | Killed a juggernaut
332296 | Zig:21   | Killed a juggernaut
332296 | Zig:21   | Killed a juggernaut
332296 | Zig:21   | Noticed a juggernaut
332297 | Zig:21   | Noticed a juggernaut
332297 | Zig:21   | Noticed a juggernaut
332297 | Zig:21   | Noticed a juggernaut
332298 | Zig:21   | Noticed a juggernaut
332298 | Zig:21   | Noticed a juggernaut
332298 | Zig:21   | Noticed a juggernaut
332298 | Zig:21   | Noticed a juggernaut
332299 | Zig:21   | Killed a juggernaut
332299 | Zig:21   | Killed a juggernaut
332299 | Zig:21   | Killed a juggernaut
332299 | Zig:21   | Killed a juggernaut
332299 | Zig:21   | Killed a juggernaut
332299 | Zig:21   | Killed a juggernaut
332299 | Zig:21   | Noticed a juggernaut
332300 | Zig:21   | Noticed a juggernaut
332300 | Zig:21   | Noticed a juggernaut
332300 | Zig:21   | Noticed a juggernaut
332301 | Zig:21   | Noticed a juggernaut
332301 | Zig:21   | Noticed a juggernaut
332302 | Zig:21   | Killed a juggernaut
332302 | Zig:21   | Killed a juggernaut
332302 | Zig:21   | Killed a juggernaut
332302 | Zig:21   | Killed a juggernaut
332302 | Zig:21   | Killed a juggernaut
332302 | Zig:21   | Killed a juggernaut
332302 | Zig:21   | Killed a juggernaut
332303 | Zig:21   | Noticed a juggernaut
332303 | Zig:21   | Noticed a juggernaut
332304 | Zig:21   | Noticed a juggernaut
332305 | Zig:21   | Killed a juggernaut
332305 | Zig:21   | Killed a juggernaut
332305 | Zig:21   | Killed a juggernaut
332305 | Zig:21   | Killed a juggernaut
332305 | Zig:21   | Killed a juggernaut
332305 | Zig:21   | Killed a juggernaut
332305 | Zig:21   | Killed a juggernaut
332305 | Zig:21   | Noticed a juggernaut
332306 | Zig:21   | Killed a juggernaut
332307 | Zig:21   | Noticed a juggernaut
332307 | Zig:21   | Noticed a juggernaut
332308 | Zig:21   | Killed a juggernaut
332308 | Zig:21   | Killed a juggernaut
332309 | Zig:21   | Noticed a juggernaut
332310 | Zig:21   | Killed a juggernaut
332311 | Zig:21   | Killed a juggernaut
332314 | Zig:21   | Killed a juggernaut
332314 | Zig:21   | Killed a juggernaut
332340 | Zig:21   | Killed a juggernaut
332341 | Zig:21   | Noticed a juggernaut
332347 | Zig:21   | Killed a juggernaut
332347 | Zig:21   | Killed a juggernaut
332350 | Zig:21   | Noticed a juggernaut
332351 | Zig:21   | Killed a juggernaut
332358 | Zig:21   | Killed a juggernaut
332576 | Zig:21   | Identified the amulet of Circularity {Reflect ^Drain Int+2
                  | Dex+9 SH+5}
332595 | Zig:21   | Identified the staff "Femoog" {rPois rC+ Int+3 Ice}
332603 | Zig:21   | Identified the +3 rapier of Mastery {heavy, Will+ Str+3}
333310 | Zig:21   | Learned a level 4 spell: Olgreb's Toxic Radiance
333332 | Zig:22   | Entered Level 22 of a ziggurat
333332 | Zig:22   | Noticed Qikhees the pandemonium lord
333332 | Zig:22   | Noticed Dotoq the pandemonium lord
333332 | Zig:22   | Noticed Roeffoif the pandemonium lord
333332 | Zig:22   | Noticed Mouwk the pandemonium lord
333332 | Zig:22   | Noticed Esmix the pandemonium lord
333332 | Zig:22   | Noticed Loeteh the pandemonium lord
333332 | Zig:22   | Noticed Footaroq the pandemonium lord
333332 | Zig:22   | Noticed Douleili the pandemonium lord
333332 | Zig:22   | Noticed Koatoh the pandemonium lord
333332 | Zig:22   | Noticed Wiotodae the pandemonium lord
333332 | Zig:22   | Noticed Ygra the pandemonium lord
333332 | Zig:22   | Noticed Biwi the pandemonium lord
333332 | Zig:22   | Noticed Unimpyt the pandemonium lord
333334 | Zig:22   | Killed Eziat the pandemonium lord
333334 | Zig:22   | Killed Qikhees the pandemonium lord
333334 | Zig:22   | Killed Unimpyt the pandemonium lord
333334 | Zig:22   | Killed Loeteh the pandemonium lord
333334 | Zig:22   | Killed Ygra the pandemonium lord
333334 | Zig:22   | Killed Dotoq the pandemonium lord
333334 | Zig:22   | Noticed Hicve the pandemonium lord
333335 | Zig:22   | Noticed Taerinot the pandemonium lord
333335 | Zig:22   | Noticed Sygo the pandemonium lord
333335 | Zig:22   | Noticed Oqucoxt the pandemonium lord
333335 | Zig:22   | Noticed Lofaemos the pandemonium lord
333335 | Zig:22   | Noticed Aghuc the pandemonium lord
333335 | Zig:22   | Noticed Beyh the pandemonium lord
333335 | Zig:22   | Noticed Dainial the pandemonium lord
333335 | Zig:22   | Noticed Noskounk the pandemonium lord
333336 | Zig:22   | Killed Mouwk the pandemonium lord
333336 | Zig:22   | Killed Hicve the pandemonium lord
333336 | Zig:22   | Killed Wiysuar the pandemonium lord
333336 | Zig:22   | Noticed Voimyto the pandemonium lord
333336 | Zig:22   | Noticed Muih the pandemonium lord
333337 | Zig:22   | Noticed Xuho the pandemonium lord
333337 | Zig:22   | Noticed Imifie the pandemonium lord
333337 | Zig:22   | Noticed Arowujo the pandemonium lord
333338 | Zig:22   | Noticed Kouq the pandemonium lord
333338 | Zig:22   | Noticed Zalalixt the pandemonium lord
333338 | Zig:22   | Killed Biwi the pandemonium lord
333338 | Zig:22   | Killed Esmix the pandemonium lord
333338 | Zig:22   | Noticed Ebyzov the pandemonium lord
333338 | Zig:22   | Killed Noskounk the pandemonium lord
333339 | Zig:22   | Noticed Hexkuxas the pandemonium lord
333339 | Zig:22   | Noticed Huac Besk the pandemonium lord
333339 | Zig:22   | Killed Roeffoif the pandemonium lord
333339 | Zig:22   | Killed Beyh the pandemonium lord
333339 | Zig:22   | Killed Oqucoxt the pandemonium lord
333339 | Zig:22   | Noticed Otaraev the pandemonium lord
333339 | Zig:22   | Noticed Emeded the pandemonium lord
333339 | Zig:22   | Noticed Uhaizien the pandemonium lord
333339 | Zig:22   | Noticed Vezop the pandemonium lord
333340 | Zig:22   | Noticed Ullomney the pandemonium lord
333340 | Zig:22   | Noticed Zeloephe the pandemonium lord
333340 | Zig:22   | Noticed Emolim the pandemonium lord
333340 | Zig:22   | Noticed Sap Tad the pandemonium lord
333340 | Zig:22   | Noticed Zuipan the pandemonium lord
333340 | Zig:22   | Noticed Vedghaes the pandemonium lord
333340 | Zig:22   | Killed Zuipan the pandemonium lord
333340 | Zig:22   | Killed Douleili the pandemonium lord
333340 | Zig:22   | Killed Lofaemos the pandemonium lord
333340 | Zig:22   | Killed Kouq the pandemonium lord
333340 | Zig:22   | Noticed Qunlauc the pandemonium lord
333340 | Zig:22   | Noticed Kyicu the pandemonium lord
333340 | Zig:22   | Killed Sygo the pandemonium lord
333340 | Zig:22   | Killed Duas the pandemonium lord
333340 | Zig:22   | Killed Xifack the pandemonium lord
333341 | Zig:22   | Noticed Vupoahi the pandemonium lord
333341 | Zig:22   | Killed Zeloephe the pandemonium lord
333341 | Zig:22   | Killed Wiotodae the pandemonium lord
333341 | Zig:22   | Killed Footaroq the pandemonium lord
333341 | Zig:22   | Killed Zalalixt the pandemonium lord
333341 | Zig:22   | Killed Emolim the pandemonium lord
333341 | Zig:22   | Killed Emeded the pandemonium lord
333341 | Zig:22   | Noticed Teiteawi the pandemonium lord
333341 | Zig:22   | Noticed Aqelel the pandemonium lord
333341 | Zig:22   | Noticed Soman the pandemonium lord
333341 | Zig:22   | Noticed Ocosch the pandemonium lord
333342 | Zig:22   | Killed Koatoh the pandemonium lord
333342 | Zig:22   | Killed Huac Besk the pandemonium lord
333342 | Zig:22   | Killed Imifie the pandemonium lord
333342 | Zig:22   | Killed Sap Tad the pandemonium lord
333342 | Zig:22   | Killed Otaraev the pandemonium lord
333342 | Zig:22   | Killed Vupoahi the pandemonium lord
333342 | Zig:22   | Noticed Wyghetouwku the pandemonium lord
333342 | Zig:22   | Noticed Zeaxizan the pandemonium lord
333342 | Zig:22   | Noticed Wiyq the pandemonium lord
333342 | Zig:22   | Noticed Kuwikh the pandemonium lord
333343 | Zig:22   | Killed Dainial the pandemonium lord
333343 | Zig:22   | Noticed Akemuiti the pandemonium lord
333343 | Zig:22   | Noticed Ades the pandemonium lord
333344 | Zig:22   | Noticed Wunaewn the pandemonium lord
333344 | Zig:22   | Killed Hexkuxas the pandemonium lord
333344 | Zig:22   | Killed Ullomney the pandemonium lord
333344 | Zig:22   | Killed Wyghetouwku the pandemonium lord
333344 | Zig:22   | Killed Voimyto the pandemonium lord
333344 | Zig:22   | Noticed Kupnet the pandemonium lord
333344 | Zig:22   | Killed Soman the pandemonium lord
333344 | Zig:22   | Noticed Wuoplaizoe the pandemonium lord
333344 | Zig:22   | Killed Taerinot the pandemonium lord
333344 | Zig:22   | Killed Ocosch the pandemonium lord
333345 | Zig:22   | Noticed Courip the pandemonium lord
333345 | Zig:22   | Noticed Deffiyn the pandemonium lord
333345 | Zig:22   | Noticed Koveatek the pandemonium lord
333345 | Zig:22   | Noticed Zuom the pandemonium lord
333345 | Zig:22   | Noticed Yjoxor the pandemonium lord
333345 | Zig:22   | Noticed Amucokot the pandemonium lord
333345 | Zig:22   | Killed Deffiyn the pandemonium lord
333345 | Zig:22   | Killed Aghuc the pandemonium lord
333345 | Zig:22   | Killed Yjoxor the pandemonium lord
333345 | Zig:22   | Killed Muih the pandemonium lord
333345 | Zig:22   | Killed Kyicu the pandemonium lord
333345 | Zig:22   | Killed Ebyzov the pandemonium lord
333345 | Zig:22   | Killed Arowujo the pandemonium lord
333345 | Zig:22   | Noticed Huetuw the pandemonium lord
333346 | Zig:22   | Killed Koveatek the pandemonium lord
333346 | Zig:22   | Killed Zuom the pandemonium lord
333346 | Zig:22   | Killed Vedghaes the pandemonium lord
333346 | Zig:22   | Noticed Deloov the pandemonium lord
333346 | Zig:22   | Noticed Nogeanecse the pandemonium lord
333346 | Zig:22   | Noticed Zeepic the pandemonium lord
333346 | Zig:22   | Noticed Bececruq the pandemonium lord
333346 | Zig:22   | Noticed Dorghym the pandemonium lord
333346 | Zig:22   | Noticed Doxiucs the pandemonium lord
333346 | Zig:22   | Noticed Sofiurhe the pandemonium lord
333346 | Zig:22   | Noticed Eschat the pandemonium lord
333346 | Zig:22   | Noticed Ciduvvaj the pandemonium lord
333346 | Zig:22   | Noticed Ofuracke the pandemonium lord
333346 | Zig:22   | Noticed Poesch the pandemonium lord
333346 | Zig:22   | Noticed Foumac the pandemonium lord
333346 | Zig:22   | Noticed Wuozey the pandemonium lord
333346 | Zig:22   | Noticed Jany the pandemonium lord
333346 | Zig:22   | Noticed Peobigg the pandemonium lord
333346 | Zig:22   | Noticed Nuxkeuch the pandemonium lord
333346 | Zig:22   | Noticed Mogyo the pandemonium lord
333346 | Zig:22   | Noticed Metuzerr the pandemonium lord
333346 | Zig:22   | Noticed Ruusimes the pandemonium lord
333346 | Zig:22   | Noticed Luozawka the pandemonium lord
333346 | Zig:22   | Noticed Xottuowu the pandemonium lord
333346 | Zig:22   | Noticed Laun the pandemonium lord
333346 | Zig:22   | Noticed Pikk the pandemonium lord
333346 | Zig:22   | Noticed Nimn the pandemonium lord
333346 | Zig:22   | Noticed Dutev the pandemonium lord
333346 | Zig:22   | Noticed Palucwo the pandemonium lord
333346 | Zig:22   | Noticed Bady the pandemonium lord
333346 | Zig:22   | Killed Uhaizien the pandemonium lord
333346 | Zig:22   | Killed Teiteawi the pandemonium lord
333346 | Zig:22   | Killed Qunlauc the pandemonium lord
333346 | Zig:22   | Noticed Meete the pandemonium lord
333346 | Zig:22   | Noticed Punanynn the pandemonium lord
333346 | Zig:22   | Noticed Wuzemius the pandemonium lord
333346 | Zig:22   | Noticed Susm the pandemonium lord
333346 | Zig:22   | Noticed Vuocref the pandemonium lord
333347 | Zig:22   | Killed Kuwikh the pandemonium lord
333347 | Zig:22   | Killed Huetuw the pandemonium lord
333347 | Zig:22   | Killed Akemuiti the pandemonium lord
333347 | Zig:22   | Killed Wiyq the pandemonium lord
333347 | Zig:22   | Killed Courip the pandemonium lord
333347 | Zig:22   | Killed Bececruq the pandemonium lord
333347 | Zig:22   | Killed Amucokot the pandemonium lord
333347 | Zig:22   | Killed Ofuracke the pandemonium lord
333347 | Zig:22   | Killed Kupnet the pandemonium lord
333347 | Zig:22   | Killed Metuzerr the pandemonium lord
333347 | Zig:22   | Killed Bady the pandemonium lord
333347 | Zig:22   | Killed Poesch the pandemonium lord
333347 | Zig:22   | Killed Aqelel the pandemonium lord
333347 | Zig:22   | Killed Jany the pandemonium lord
333348 | Zig:22   | Noticed Eshruqi the pandemonium lord
333348 | Zig:22   | Noticed Wyvocwoa the pandemonium lord
333348 | Zig:22   | Noticed Qunnoept the pandemonium lord
333348 | Zig:22   | Noticed Lyekhog the pandemonium lord
333348 | Zig:22   | Noticed Gaxuisiz the pandemonium lord
333348 | Zig:22   | Noticed Qibietay the pandemonium lord
333349 | Zig:22   | Killed Ciduvvaj the pandemonium lord
333349 | Zig:22   | Killed Zeepic the pandemonium lord
333349 | Zig:22   | Killed Eschat the pandemonium lord
333349 | Zig:22   | Killed Peobigg the pandemonium lord
333349 | Zig:22   | Killed Wuozey the pandemonium lord
333349 | Zig:22   | Killed Ruusimes the pandemonium lord
333349 | Zig:22   | Noticed Ciweppooga the pandemonium lord
333349 | Zig:22   | Noticed Ezigalah the pandemonium lord
333349 | Zig:22   | Noticed Kuschuh the pandemonium lord
333350 | Zig:22   | Noticed Apuos the pandemonium lord
333350 | Zig:22   | Noticed Teh Bim the pandemonium lord
333350 | Zig:22   | Noticed Okaoxu the pandemonium lord
333350 | Zig:22   | Killed Punanynn the pandemonium lord
333350 | Zig:22   | Killed Lyekhog the pandemonium lord
333350 | Zig:22   | Killed Palucwo the pandemonium lord
333350 | Zig:22   | Noticed Noicoupn the pandemonium lord
333350 | Zig:22   | Noticed Kepaazea the pandemonium lord
333350 | Zig:22   | Noticed Hayfus the pandemonium lord
333350 | Zig:22   | Noticed Xeijiynn the pandemonium lord
333350 | Zig:22   | Killed Doxiucs the pandemonium lord
333350 | Zig:22   | Noticed Utteime the pandemonium lord
333350 | Zig:22   | Noticed Muathreco the pandemonium lord
333350 | Zig:22   | Noticed Peg Deel the pandemonium lord
333351 | Zig:22   | Noticed Soinem the pandemonium lord
333351 | Zig:22   | Noticed Nuclag the pandemonium lord
333352 | Zig:22   | Noticed Cofowage the pandemonium lord
333352 | Zig:22   | Killed Deloov the pandemonium lord
333352 | Zig:22   | Killed Sofiurhe the pandemonium lord
333352 | Zig:22   | Killed Luozawka the pandemonium lord
333352 | Zig:22   | Killed Nimn the pandemonium lord
333352 | Zig:22   | Killed Zeaxizan the pandemonium lord
333352 | Zig:22   | Killed Ezigalah the pandemonium lord
333352 | Zig:22   | Killed Dorghym the pandemonium lord
333352 | Zig:22   | Killed Hayfus the pandemonium lord
333352 | Zig:22   | Killed Noicoupn the pandemonium lord
333352 | Zig:22   | Killed Laun the pandemonium lord
333352 | Zig:22   | Killed Xuho the pandemonium lord
333352 | Zig:22   | Killed Kuschuh the pandemonium lord
333352 | Zig:22   | Killed Ciweppooga the pandemonium lord
333352 | Zig:22   | Noticed Hesaotwe the pandemonium lord
333352 | Zig:22   | Killed Dutev the pandemonium lord
333353 | Zig:22   | Killed Wuzemius the pandemonium lord
333353 | Zig:22   | Killed Wunaewn the pandemonium lord
333353 | Zig:22   | Killed Okaoxu the pandemonium lord
333353 | Zig:22   | Killed Ades the pandemonium lord
333353 | Zig:22   | Killed Vuocref the pandemonium lord
333353 | Zig:22   | Killed Wuoplaizoe the pandemonium lord
333353 | Zig:22   | Killed Soinem the pandemonium lord
333353 | Zig:22   | Killed Vezop the pandemonium lord
333353 | Zig:22   | Killed Teh Bim the pandemonium lord
333353 | Zig:22   | Killed Meete the pandemonium lord
333353 | Zig:22   | Killed Cofowage the pandemonium lord
333353 | Zig:22   | Noticed Hipiess the pandemonium lord
333353 | Zig:22   | Noticed Feotecesk the pandemonium lord
333353 | Zig:22   | Noticed Duyf the pandemonium lord
333353 | Zig:22   | Noticed Zaur the pandemonium lord
333353 | Zig:22   | Noticed Eshrea Ynibu the pandemonium lord
333353 | Zig:22   | Noticed Exial the pandemonium lord
333354 | Zig:22   | Noticed Regguenn the pandemonium lord
333354 | Zig:22   | Killed Pikk the pandemonium lord
333354 | Zig:22   | Killed Muathreco the pandemonium lord
333354 | Zig:22   | Killed Nuxkeuch the pandemonium lord
333354 | Zig:22   | Killed Mogyo the pandemonium lord
333354 | Zig:22   | Killed Xottuowu the pandemonium lord
333354 | Zig:22   | Killed Kepaazea the pandemonium lord
333354 | Zig:22   | Killed Foumac the pandemonium lord
333354 | Zig:22   | Killed Wyvocwoa the pandemonium lord
333354 | Zig:22   | Killed Qibietay the pandemonium lord
333354 | Zig:22   | Killed Qunnoept the pandemonium lord
333354 | Zig:22   | Noticed Sunuwk the pandemonium lord
333354 | Zig:22   | Noticed Xoetila the pandemonium lord
333354 | Zig:22   | Noticed Ohob the pandemonium lord
333354 | Zig:22   | Noticed Juloq Qakhlo the pandemonium lord
333355 | Zig:22   | Noticed Sowkewidgh the pandemonium lord
333355 | Zig:22   | Noticed Ahey the pandemonium lord
333355 | Zig:22   | Noticed Taeqozeph the pandemonium lord
333355 | Zig:22   | Killed Apuos the pandemonium lord
333355 | Zig:22   | Noticed Reellen the pandemonium lord
333355 | Zig:22   | Noticed Otoar the pandemonium lord
333355 | Zig:22   | Noticed Wochy the pandemonium lord
333356 | Zig:22   | Noticed Fyagampebue the pandemonium lord
333356 | Zig:22   | Killed Utteime the pandemonium lord
333356 | Zig:22   | Killed Susm the pandemonium lord
333356 | Zig:22   | Noticed Fikela the pandemonium lord
333356 | Zig:22   | Noticed Lonoec the pandemonium lord
333357 | Zig:22   | Noticed Wokkiug the pandemonium lord
333357 | Zig:22   | Noticed Omopnell the pandemonium lord
333357 | Zig:22   | Noticed Qacw the pandemonium lord
333357 | Zig:22   | Noticed Oggeucru the pandemonium lord
333357 | Zig:22   | Noticed Butich the pandemonium lord
333357 | Zig:22   | Noticed Jookk the pandemonium lord
333357 | Zig:22   | Noticed Lurr the pandemonium lord
333358 | Zig:22   | Killed Peg Deel the pandemonium lord
333358 | Zig:22   | Killed Exial the pandemonium lord
333358 | Zig:22   | Killed Feotecesk the pandemonium lord
333358 | Zig:22   | Killed Gaxuisiz the pandemonium lord
333358 | Zig:22   | Killed Wokkiug the pandemonium lord
333358 | Zig:22   | Killed Hipiess the pandemonium lord
333358 | Zig:22   | Killed Nuclag the pandemonium lord
333358 | Zig:22   | Killed Hesaotwe the pandemonium lord
333358 | Zig:22   | Killed Lonoec the pandemonium lord
333358 | Zig:22   | Noticed Yschaasao the pandemonium lord
333359 | Zig:22   | Noticed Afoothen the pandemonium lord
333359 | Zig:22   | Noticed Lempicviu the pandemonium lord
333359 | Zig:22   | Noticed Coefyitt the pandemonium lord
333359 | Zig:22   | Noticed Mutuhin the pandemonium lord
333359 | Zig:22   | Noticed Varghas the pandemonium lord
333360 | Zig:22   | Killed Regguenn the pandemonium lord
333360 | Zig:22   | Killed Xeijiynn the pandemonium lord
333360 | Zig:22   | Killed Nogeanecse the pandemonium lord
333360 | Zig:22   | Killed Zaur the pandemonium lord
333360 | Zig:22   | Killed Wochy the pandemonium lord
333360 | Zig:22   | Killed Sunuwk the pandemonium lord
333360 | Zig:22   | Killed Eshruqi the pandemonium lord
333360 | Zig:22   | Killed Jookk the pandemonium lord
333360 | Zig:22   | Noticed Rups the pandemonium lord
333360 | Zig:22   | Noticed Xoshez the pandemonium lord
333360 | Zig:22   | Noticed Luypse the pandemonium lord
333360 | Zig:22   | Noticed Qoank the pandemonium lord
333360 | Zig:22   | Noticed Vuihin the pandemonium lord
333361 | Zig:22   | Noticed Rirreu the pandemonium lord
333361 | Zig:22   | Noticed Fyaniz the pandemonium lord
333361 | Zig:22   | Noticed Jitt the pandemonium lord
333361 | Zig:22   | Noticed Qiner the pandemonium lord
333361 | Zig:22   | Noticed Duijo the pandemonium lord
333361 | Zig:22   | Noticed Edghuf the pandemonium lord
333362 | Zig:22   | Killed Fikela the pandemonium lord
333363 | Zig:22   | Noticed Lalod the pandemonium lord
333364 | Zig:22   | Killed Xoetila the pandemonium lord
333364 | Zig:22   | Noticed Rimunar the pandemonium lord
333365 | Zig:22   | Killed Sowkewidgh the pandemonium lord
333365 | Zig:22   | Killed Ohob the pandemonium lord
333369 | Zig:22   | Killed Taeqozeph the pandemonium lord
333370 | Zig:22   | Killed Otoar the pandemonium lord
333370 | Zig:22   | Killed Eshrea Ynibu the pandemonium lord
333370 | Zig:22   | Killed Varghas the pandemonium lord
333372 | Zig:22   | Killed Oggeucru the pandemonium lord
333372 | Zig:22   | Noticed Yxzonuhu the pandemonium lord
333372 | Zig:22   | Noticed Luhecubb the pandemonium lord
333373 | Zig:22   | Noticed Rutis the pandemonium lord
333374 | Zig:22   | Killed Rirreu the pandemonium lord
333374 | Zig:22   | Killed Ahey the pandemonium lord
333374 | Zig:22   | Killed Reellen the pandemonium lord
333376 | Zig:22   | Killed Qoank the pandemonium lord
333376 | Zig:22   | Killed Rutis the pandemonium lord
333376 | Zig:22   | Killed Yschaasao the pandemonium lord
333376 | Zig:22   | Killed Butich the pandemonium lord
333376 | Zig:22   | Killed Mutuhin the pandemonium lord
333376 | Zig:22   | Killed Qacw the pandemonium lord
333376 | Zig:22   | Killed Afoothen the pandemonium lord
333377 | Zig:22   | Killed Edghuf the pandemonium lord
333377 | Zig:22   | Killed Fyagampebue the pandemonium lord
333377 | Zig:22   | Killed Lurr the pandemonium lord
333377 | Zig:22   | Killed Yxzonuhu the pandemonium lord
333377 | Zig:22   | Killed Omopnell the pandemonium lord
333378 | Zig:22   | Noticed Yhusox the pandemonium lord
333378 | Zig:22   | Noticed Rukuy the pandemonium lord
333378 | Zig:22   | Noticed Pithreowo the pandemonium lord
333378 | Zig:22   | Noticed Begeyrhu the pandemonium lord
333378 | Zig:22   | Killed Rimunar the pandemonium lord
333378 | Zig:22   | Killed Duijo the pandemonium lord
333378 | Zig:22   | Killed Rups the pandemonium lord
333378 | Zig:22   | Noticed Nuso the pandemonium lord
333379 | Zig:22   | Noticed Ryjeahav the pandemonium lord
333379 | Zig:22   | Killed Fyaniz the pandemonium lord
333379 | Zig:22   | Killed Coefyitt the pandemonium lord
333379 | Zig:22   | Killed Xoshez the pandemonium lord
333379 | Zig:22   | Killed Lempicviu the pandemonium lord
333379 | Zig:22   | Killed Vuihin the pandemonium lord
333379 | Zig:22   | Noticed Noschirch the pandemonium lord
333379 | Zig:22   | Noticed Xafumu the pandemonium lord
333380 | Zig:22   | Noticed Dad Osar the pandemonium lord
333380 | Zig:22   | Noticed Fewnaoti the pandemonium lord
333380 | Zig:22   | Noticed Matir the pandemonium lord
333380 | Zig:22   | Noticed Hejucwag the pandemonium lord
333380 | Zig:22   | Noticed Ehiaheotz the pandemonium lord
333380 | Zig:22   | Noticed Vumumae the pandemonium lord
333381 | Zig:22   | Noticed Oxuh Pei the pandemonium lord
333381 | Zig:22   | Noticed Ehui the pandemonium lord
333381 | Zig:22   | Killed Ryjeahav the pandemonium lord
333381 | Zig:22   | Killed Lalod the pandemonium lord
333381 | Zig:22   | Noticed Hadosyno the pandemonium lord
333381 | Zig:22   | Noticed Boab the pandemonium lord
333382 | Zig:22   | Noticed Varchapn the pandemonium lord
333382 | Zig:22   | Noticed Beifoewe the pandemonium lord
333382 | Zig:22   | Noticed Ibleutuk the pandemonium lord
333382 | Zig:22   | Noticed Ziac the pandemonium lord
333382 | Zig:22   | Noticed Coiq the pandemonium lord
333383 | Zig:22   | Killed Begeyrhu the pandemonium lord
333383 | Zig:22   | Killed Vumumae the pandemonium lord
333383 | Zig:22   | Killed Rukuy the pandemonium lord
333383 | Zig:22   | Killed Luhecubb the pandemonium lord
333383 | Zig:22   | Killed Oxuh Pei the pandemonium lord
333383 | Zig:22   | Killed Pithreowo the pandemonium lord
333383 | Zig:22   | Killed Nuso the pandemonium lord
333383 | Zig:22   | Noticed Xiokkukom the pandemonium lord
333383 | Zig:22   | Noticed Emammeta the pandemonium lord
333384 | Zig:22   | Noticed Ylla the pandemonium lord
333384 | Zig:22   | Noticed Umada the pandemonium lord
333384 | Zig:22   | Noticed Butibuat the pandemonium lord
333385 | Zig:22   | Killed Yhusox the pandemonium lord
333385 | Zig:22   | Killed Jitt the pandemonium lord
333385 | Zig:22   | Killed Dad Osar the pandemonium lord
333385 | Zig:22   | Killed Luypse the pandemonium lord
333385 | Zig:22   | Noticed Utuamp the pandemonium lord
333386 | Zig:22   | Noticed Faludun the pandemonium lord
333386 | Zig:22   | Killed Fewnaoti the pandemonium lord
333386 | Zig:22   | Killed Hejucwag the pandemonium lord
333386 | Zig:22   | Killed Varchapn the pandemonium lord
333386 | Zig:22   | Killed Ibleutuk the pandemonium lord
333386 | Zig:22   | Killed Duyf the pandemonium lord
333386 | Zig:22   | Noticed Gunwumn the pandemonium lord
333386 | Zig:22   | Noticed Yfrem the pandemonium lord
333386 | Zig:22   | Noticed Zafuri Bios the pandemonium lord
333387 | Zig:22   | Noticed Uguhiq the pandemonium lord
333387 | Zig:22   | Noticed Vyaf the pandemonium lord
333387 | Zig:22   | Noticed Qoryc the pandemonium lord
333387 | Zig:22   | Noticed Esoam the pandemonium lord
333387 | Zig:22   | Noticed Hosuun the pandemonium lord
333388 | Zig:22   | Killed Beifoewe the pandemonium lord
333388 | Zig:22   | Killed Xiokkukom the pandemonium lord
333388 | Zig:22   | Killed Ziac the pandemonium lord
333388 | Zig:22   | Killed Utuamp the pandemonium lord
333388 | Zig:22   | Killed Coiq the pandemonium lord
333388 | Zig:22   | Killed Hadosyno the pandemonium lord
333388 | Zig:22   | Killed Ehiaheotz the pandemonium lord
333388 | Zig:22   | Killed Butibuat the pandemonium lord
333388 | Zig:22   | Killed Ehui the pandemonium lord
333388 | Zig:22   | Killed Xafumu the pandemonium lord
333388 | Zig:22   | Noticed Suim Rebo the pandemonium lord
333389 | Zig:22   | Noticed Qiufuam the pandemonium lord
333389 | Zig:22   | Noticed Gisuikha the pandemonium lord
333389 | Zig:22   | Noticed Maiblib the pandemonium lord
333389 | Zig:22   | Noticed Licliew the pandemonium lord
333389 | Zig:22   | Noticed Weemecycw the pandemonium lord
333389 | Zig:22   | Noticed Xeeberon the pandemonium lord
333389 | Zig:22   | Noticed Henwas the pandemonium lord
333389 | Zig:22   | Noticed Iguazoof the pandemonium lord
333390 | Zig:22   | Noticed Usuer the pandemonium lord
333390 | Zig:22   | Killed Yfrem the pandemonium lord
333390 | Zig:22   | Killed Emammeta the pandemonium lord
333390 | Zig:22   | Noticed Kuimel the pandemonium lord
333391 | Zig:22   | Noticed Woczuwn the pandemonium lord
333391 | Zig:22   | Noticed Vuchia the pandemonium lord
333391 | Zig:22   | Noticed Paitiupp the pandemonium lord
333391 | Zig:22   | Noticed Wuwedeang the pandemonium lord
333391 | Zig:22   | Noticed Bagguna the pandemonium lord
333392 | Zig:22   | Killed Hosuun the pandemonium lord
333392 | Zig:22   | Killed Uguhiq the pandemonium lord
333392 | Zig:22   | Killed Boab the pandemonium lord
333392 | Zig:22   | Killed Weemecycw the pandemonium lord
333392 | Zig:22   | Killed Zafuri Bios the pandemonium lord
333392 | Zig:22   | Killed Gisuikha the pandemonium lord
333392 | Zig:22   | Killed Umada the pandemonium lord
333392 | Zig:22   | Noticed Xadoihies the pandemonium lord
333392 | Zig:22   | Noticed Etsaip the pandemonium lord
333392 | Zig:22   | Noticed Mustyi the pandemonium lord
333395 | Zig:22   | Killed Matir the pandemonium lord
333395 | Zig:22   | Killed Qoryc the pandemonium lord
333395 | Zig:22   | Killed Noschirch the pandemonium lord
333395 | Zig:22   | Killed Qiner the pandemonium lord
333395 | Zig:22   | Killed Ylla the pandemonium lord
333399 | Zig:22   | Killed Licliew the pandemonium lord
333400 | Zig:22   | Killed Woczuwn the pandemonium lord
333400 | Zig:22   | Killed Xeeberon the pandemonium lord
333400 | Zig:22   | Killed Gunwumn the pandemonium lord
333401 | Zig:22   | Killed Vyaf the pandemonium lord
333401 | Zig:22   | Killed Suim Rebo the pandemonium lord
333401 | Zig:22   | Killed Iguazoof the pandemonium lord
333401 | Zig:22   | Killed Qiufuam the pandemonium lord
333401 | Zig:22   | Killed Esoam the pandemonium lord
333402 | Zig:22   | Noticed Istrav the pandemonium lord
333403 | Zig:22   | Killed Henwas the pandemonium lord
333403 | Zig:22   | Killed Xadoihies the pandemonium lord
333404 | Zig:22   | Noticed Zedagyuf the pandemonium lord
333404 | Zig:22   | Noticed Eskooriu the pandemonium lord
333404 | Zig:22   | Noticed Adaegij the pandemonium lord
333405 | Zig:22   | Noticed Qourebid the pandemonium lord
333405 | Zig:22   | Killed Wuwedeang the pandemonium lord
333405 | Zig:22   | Killed Istrav the pandemonium lord
333405 | Zig:22   | Killed Bagguna the pandemonium lord
333405 | Zig:22   | Killed Faludun the pandemonium lord
333405 | Zig:22   | Killed Usuer the pandemonium lord
333406 | Zig:22   | Noticed Ciejoucw the pandemonium lord
333406 | Zig:22   | Noticed Foyd the pandemonium lord
333406 | Zig:22   | Noticed Danaq the pandemonium lord
333407 | Zig:22   | Killed Paitiupp the pandemonium lord
333407 | Zig:22   | Killed Juloq Qakhlo the pandemonium lord
333407 | Zig:22   | Killed Mustyi the pandemonium lord
333407 | Zig:22   | Killed Kuimel the pandemonium lord
333408 | Zig:22   | Noticed Cimm the pandemonium lord
333409 | Zig:22   | Noticed Ziuss the pandemonium lord
333412 | Zig:22   | Killed Ciejoucw the pandemonium lord
333413 | Zig:22   | Killed Vuchia the pandemonium lord
333413 | Zig:22   | Killed Eskooriu the pandemonium lord
333413 | Zig:22   | Noticed Yrexki the pandemonium lord
333413 | Zig:22   | Noticed Xaesoy the pandemonium lord
333413 | Zig:22   | Noticed Pisol the pandemonium lord
333414 | Zig:22   | Noticed Hoothrish the pandemonium lord
333414 | Zig:22   | Noticed Rirash the pandemonium lord
333414 | Zig:22   | Noticed Luhyrch the pandemonium lord
333415 | Zig:22   | Noticed Urublem the pandemonium lord
333415 | Zig:22   | Killed Etsaip the pandemonium lord
333415 | Zig:22   | Killed Qourebid the pandemonium lord
333416 | Zig:22   | Noticed Quyvaz the pandemonium lord
333416 | Zig:22   | Noticed Omed the pandemonium lord
333416 | Zig:22   | Noticed Yzytiump the pandemonium lord
333416 | Zig:22   | Noticed Nolaod the pandemonium lord
333417 | Zig:22   | Noticed Qoelip the pandemonium lord
333418 | Zig:22   | Killed Xaesoy the pandemonium lord
333419 | Zig:22   | Noticed Ytwithep the pandemonium lord
333419 | Zig:22   | Noticed Efix Jasetz the pandemonium lord
333419 | Zig:22   | Noticed Rufom the pandemonium lord
333420 | Zig:22   | Noticed Rataol the pandemonium lord
333420 | Zig:22   | Noticed Mios Filaefe the pandemonium lord
333420 | Zig:22   | Killed Zedagyuf the pandemonium lord
333420 | Zig:22   | Killed Danaq the pandemonium lord
333420 | Zig:22   | Killed Ziuss the pandemonium lord
333421 | Zig:22   | Killed Luhyrch the pandemonium lord
333421 | Zig:22   | Killed Cimm the pandemonium lord
333421 | Zig:22   | Killed Yzytiump the pandemonium lord
333421 | Zig:22   | Killed Adaegij the pandemonium lord
333421 | Zig:22   | Noticed Ycusiaco the pandemonium lord
333422 | Zig:22   | Killed Rirash the pandemonium lord
333422 | Zig:22   | Killed Quyvaz the pandemonium lord
333422 | Zig:22   | Killed Rufom the pandemonium lord
333422 | Zig:22   | Noticed Xashur the pandemonium lord
333423 | Zig:22   | Noticed Wogestre the pandemonium lord
333423 | Zig:22   | Noticed Xuuvvex the pandemonium lord
333423 | Zig:22   | Noticed Heneew the pandemonium lord
333423 | Zig:22   | Noticed Cylad the pandemonium lord
333423 | Zig:22   | Noticed Elopa Udoo the pandemonium lord
333423 | Zig:22   | Killed Qoelip the pandemonium lord
333423 | Zig:22   | Killed Urublem the pandemonium lord
333424 | Zig:22   | Killed Pisol the pandemonium lord
333424 | Zig:22   | Killed Foyd the pandemonium lord
333424 | Zig:22   | Killed Mios Filaefe the pandemonium lord
333424 | Zig:22   | Killed Hoothrish the pandemonium lord
333424 | Zig:22   | Killed Yrexki the pandemonium lord
333424 | Zig:22   | Noticed Xepsuche the pandemonium lord
333424 | Zig:22   | Noticed Suolaogh the pandemonium lord
333425 | Zig:22   | Killed Maiblib the pandemonium lord
333425 | Zig:22   | Killed Rataol the pandemonium lord
333425 | Zig:22   | Killed Efix Jasetz the pandemonium lord
333425 | Zig:22   | Killed Heneew the pandemonium lord
333425 | Zig:22   | Killed Xashur the pandemonium lord
333425 | Zig:22   | Killed Ytwithep the pandemonium lord
333425 | Zig:22   | Noticed Cuissyb the pandemonium lord
333426 | Zig:22   | Noticed Pocki the pandemonium lord
333426 | Zig:22   | Noticed Foptijewn the pandemonium lord
333426 | Zig:22   | Noticed Ehowo the pandemonium lord
333426 | Zig:22   | Noticed Heipuwaja the pandemonium lord
333426 | Zig:22   | Noticed Voami the pandemonium lord
333426 | Zig:22   | Noticed Ruczuoph the pandemonium lord
333427 | Zig:22   | Noticed Letac the pandemonium lord
333427 | Zig:22   | Noticed Uteucohe the pandemonium lord
333427 | Zig:22   | Killed Omed the pandemonium lord
333427 | Zig:22   | Killed Nolaod the pandemonium lord
333427 | Zig:22   | Killed Ycusiaco the pandemonium lord
333427 | Zig:22   | Killed Xuuvvex the pandemonium lord
333427 | Zig:22   | Killed Elopa Udoo the pandemonium lord
333427 | Zig:22   | Killed Wogestre the pandemonium lord
333427 | Zig:22   | Killed Cylad the pandemonium lord
333427 | Zig:22   | Killed Suolaogh the pandemonium lord
333428 | Zig:22   | Noticed Kyge the pandemonium lord
333428 | Zig:22   | Noticed Jethrec the pandemonium lord
333428 | Zig:22   | Noticed Vuleoj the pandemonium lord
333429 | Zig:22   | Killed Xepsuche the pandemonium lord
333429 | Zig:22   | Killed Voami the pandemonium lord
333429 | Zig:22   | Killed Pocki the pandemonium lord
333430 | Zig:22   | Noticed Soiraod the pandemonium lord
333430 | Zig:22   | Noticed Takkuriohe the pandemonium lord
333431 | Zig:22   | Killed Ruczuoph the pandemonium lord
333431 | Zig:22   | Killed Cuissyb the pandemonium lord
333431 | Zig:22   | Killed Ehowo the pandemonium lord
333431 | Zig:22   | Killed Letac the pandemonium lord
333431 | Zig:22   | Killed Uteucohe the pandemonium lord
333432 | Zig:22   | Noticed Ritzyusu the pandemonium lord
333432 | Zig:22   | Noticed Siogatok the pandemonium lord
333433 | Zig:22   | Killed Jethrec the pandemonium lord
333433 | Zig:22   | Killed Heipuwaja the pandemonium lord
333434 | Zig:22   | Killed Ritzyusu the pandemonium lord
333434 | Zig:22   | Killed Kyge the pandemonium lord
333435 | Zig:22   | Killed Takkuriohe the pandemonium lord
333435 | Zig:22   | Killed Soiraod the pandemonium lord
333437 | Zig:22   | Killed Vuleoj the pandemonium lord
333437 | Zig:22   | Killed Foptijewn the pandemonium lord
333437 | Zig:22   | Killed Siogatok the pandemonium lord
334147 | Zig:22   | Identified the +5 leather armour "Enuirgh" {rN+ rCorr}
334161 | Zig:22   | Identified the +1 ring mail of Somewhere Else {rElec rF+
                  | rC+ rCorr}
334164 | Zig:22   | Identified the ring of Efattug {Fly Will+}
334167 | Zig:22   | Identified the +7 plate armour of the Abyss {Int+3}
334171 | Zig:22   | Identified the +2 sling "Ejoal" {speed, Stlth+}
334189 | Zig:22   | Identified the +7 hand axe of Zavazeca {spect, rCorr}
334191 | Zig:22   | Identified the staff "Kaerph" {rCorr Int-4 Dex-5 Conj
                  | Hexes}
334211 | Zig:22   | Identified the +4 eveningstar of Insufficient Pleasure
                  | {venom, Int+4}
334214 | Zig:22   | Identified the staff of Mianushracuts {rElec rPois rF+++
                  | rC++ Will- Air}
334222 | Zig:22   | Identified the amulet of the Shining Light {rC+ Regen+}
334224 | Zig:22   | Identified the ring "Hinodota" {Ice Str+4}
334261 | Zig:22   | Identified the +1 scimitar of Ixtottig {drain, Will+++}
334263 | Zig:22   | Identified the +3 dagger of Eminent Domain {drain, Will+}
334383 | Zig:23   | Entered Level 23 of a ziggurat
334565 | Zig:23   | Identified the staff of the Nexus {rElec rN+ Air}
334576 | Zig:23   | Identified the +7 falchion of Tender Mercy {venom, +Blink
                  | Will+}
334583 | Zig:23   | Identified the amulet of the Commoners {Spirit rC+ Int+2
                  | Stlth+}
334593 | Zig:23   | Identified the death talisman of Gyes {Str-2 Int+2 Dex+2
                  | SInv}
334610 | Zig:23   | Identified the +1 pair of gloves of Ruojuo {rC- Will+ rCorr
                  | Slay+2}
334611 | Zig:23   | Identified the ring of Twilight {rF+ Dex+2}
334618 | Zig:23   | Identified the amulet of Bizorch {Faith ^Fragile rCorr
                  | Int+4 Slay+3}
334640 | Zig:23   | Identified the +3 short sword "Zukkac" {flame, Int+2}
334660 | Zig:23   | Identified the +2 leather armour of Gozag's Inspiration
                  | {Int+3 Dex+2 SInv}
334664 | Zig:23   | Identified the +6 great mace of Fedhas's Condemnation
                  | {holy, Str+3}
335357 | Zig:24   | Entered Level 24 of a ziggurat
336188 | Zig:24   | Identified the staff of Getsate {Int+3 Earth}
336193 | Zig:24   | Identified the +4 rapier of Watchfulness {antimagic, Str+7
                  | Dex+7 Stlth-}
336223 | Zig:24   | Identified the +8 shortbow of Defiance {flame, rF+ Str+2}
336238 | Zig:24   | Identified the ring "Loewil" {AC+4 Int+3}
336373 | Zig:25   | Entered Level 25 of a ziggurat
336376 | Zig:25   | Noticed an ancient lich
336377 | Zig:25   | Noticed an ancient lich
336380 | Zig:25   | Noticed an ancient lich
336380 | Zig:25   | Noticed an ancient lich
336381 | Zig:25   | Noticed an ancient lich
336382 | Zig:25   | Noticed an ancient lich
336382 | Zig:25   | Noticed an ancient lich
336384 | Zig:25   | Noticed an ancient lich
336385 | Zig:25   | Killed an ancient lich
336385 | Zig:25   | Killed an ancient lich
336385 | Zig:25   | Killed an ancient lich
336385 | Zig:25   | Killed an ancient lich
336385 | Zig:25   | Killed an ancient lich
336386 | Zig:25   | Noticed an ancient lich
336387 | Zig:25   | Killed an ancient lich
336387 | Zig:25   | Killed an ancient lich
336387 | Zig:25   | Killed an ancient lich
336387 | Zig:25   | Noticed an ancient lich
336388 | Zig:25   | Noticed an ancient lich
336389 | Zig:25   | Killed an ancient lich
336389 | Zig:25   | Killed an ancient lich
336390 | Zig:25   | Noticed an ancient lich
336390 | Zig:25   | Noticed an ancient lich
336390 | Zig:25   | Noticed an ancient lich
336390 | Zig:25   | Noticed an ancient lich
336390 | Zig:25   | Noticed an ancient lich
336390 | Zig:25   | Noticed an ancient lich
336391 | Zig:25   | Killed an ancient lich
336391 | Zig:25   | Noticed an ancient lich
336392 | Zig:25   | Noticed an ancient lich
336392 | Zig:25   | Noticed an ancient lich
336393 | Zig:25   | Noticed an ancient lich
336394 | Zig:25   | Noticed an ancient lich
336394 | Zig:25   | Killed an ancient lich
336394 | Zig:25   | Killed an ancient lich
336394 | Zig:25   | Killed an ancient lich
336394 | Zig:25   | Noticed an ancient lich
336395 | Zig:25   | Noticed an ancient lich
336396 | Zig:25   | Noticed an ancient lich
336396 | Zig:25   | Noticed an ancient lich
336397 | Zig:25   | Killed an ancient lich
336397 | Zig:25   | Killed an ancient lich
336397 | Zig:25   | Killed an ancient lich
336397 | Zig:25   | Noticed an ancient lich
336397 | Zig:25   | Noticed an ancient lich
336399 | Zig:25   | Killed an ancient lich
336399 | Zig:25   | Killed an ancient lich
336399 | Zig:25   | Killed an ancient lich
336399 | Zig:25   | Killed an ancient lich
336399 | Zig:25   | Noticed an ancient lich
336399 | Zig:25   | Killed an ancient lich
336400 | Zig:25   | Noticed an ancient lich
336401 | Zig:25   | Noticed an ancient lich
336401 | Zig:25   | Noticed an ancient lich
336402 | Zig:25   | Killed an ancient lich
336402 | Zig:25   | Killed an ancient lich
336402 | Zig:25   | Killed an ancient lich
336402 | Zig:25   | Killed an ancient lich
336402 | Zig:25   | Killed an ancient lich
336402 | Zig:25   | Killed an ancient lich
336402 | Zig:25   | Killed an ancient lich
336402 | Zig:25   | Killed an ancient lich
336402 | Zig:25   | Killed an ancient lich
336402 | Zig:25   | Killed an ancient lich
336402 | Zig:25   | Noticed an ancient lich
336402 | Zig:25   | Noticed an ancient lich
336403 | Zig:25   | Noticed an ancient lich
336403 | Zig:25   | Noticed an ancient lich
336404 | Zig:25   | Noticed an ancient lich
336405 | Zig:25   | Killed an ancient lich
336405 | Zig:25   | Killed an ancient lich
336405 | Zig:25   | Killed an ancient lich
336405 | Zig:25   | Noticed an ancient lich
336406 | Zig:25   | Noticed an ancient lich
336406 | Zig:25   | Killed an ancient lich
336408 | Zig:25   | Noticed an ancient lich
336408 | Zig:25   | Noticed an ancient lich
336408 | Zig:25   | Noticed an ancient lich
336409 | Zig:25   | Killed an ancient lich
336409 | Zig:25   | Noticed an ancient lich
336410 | Zig:25   | Killed an ancient lich
336410 | Zig:25   | Killed an ancient lich
336410 | Zig:25   | Killed an ancient lich
336410 | Zig:25   | Killed an ancient lich
336410 | Zig:25   | Killed an ancient lich
336411 | Zig:25   | Noticed an ancient lich
336411 | Zig:25   | Noticed an ancient lich
336412 | Zig:25   | Noticed an ancient lich
336412 | Zig:25   | Noticed an ancient lich
336412 | Zig:25   | Noticed an ancient lich
336412 | Zig:25   | Noticed an ancient lich
336413 | Zig:25   | Noticed an ancient lich
336413 | Zig:25   | Killed an ancient lich
336413 | Zig:25   | Killed an ancient lich
336413 | Zig:25   | Killed an ancient lich
336413 | Zig:25   | Killed an ancient lich
336413 | Zig:25   | Killed an ancient lich
336413 | Zig:25   | Killed an ancient lich
336414 | Zig:25   | Noticed an ancient lich
336414 | Zig:25   | Noticed an ancient lich
336415 | Zig:25   | Noticed an ancient lich
336415 | Zig:25   | Noticed an ancient lich
336415 | Zig:25   | Killed an ancient lich
336415 | Zig:25   | Killed an ancient lich
336416 | Zig:25   | Noticed an ancient lich
336416 | Zig:25   | Noticed an ancient lich
336417 | Zig:25   | Noticed an ancient lich
336418 | Zig:25   | Killed an ancient lich
336418 | Zig:25   | Killed an ancient lich
336419 | Zig:25   | Killed an ancient lich
336419 | Zig:25   | Killed an ancient lich
336419 | Zig:25   | Killed an ancient lich
336420 | Zig:25   | Killed an ancient lich
336421 | Zig:25   | Noticed an ancient lich
336422 | Zig:25   | Killed an ancient lich
336425 | Zig:25   | Killed an ancient lich
336425 | Zig:25   | Killed an ancient lich
336533 | Zig:25   | Identified the +8 pearl dragon scales of the Thistle {Harm
                  | ^Drain rN+ rCorr Stlth+}
336537 | Zig:25   | Identified the +2 flail of the Howling Hawk {flame,
                  | *Corrode Will+ Stlth+}
336538 | Zig:25   | Identified the +8 chain mail of Sif Muna's Scorn {rC+
                  | Will+}
336539 | Zig:25   | Identified the +0 robe of Diyluov {rElec rPois rC+ Int-2}
336546 | Zig:25   | Identified the +7 short sword "Uskir" {pain, *Slow rF+++
                  | Dex+5}
336548 | Zig:25   | Identified the +6 leather armour of Card Tricks {rC+ SInv}
336549 | Zig:25   | Identified the +0 robe of the Snake Pit {rC- Dex+4}
336556 | Zig:25   | Identified the +0 flail of Nehoup {heavy, +Blink Str+3
                  | Dex-2 SInv}
336559 | Zig:25   | Identified the staff "Ynlay" {*Slow rC+ Str+4 Summ Ice}
336563 | Zig:25   | Identified the +2 sling of Causality {freeze, rElec rPois
                  | Int+3}
336567 | Zig:25   | Identified the +3 trident of Certain Death {flame, +Blink
                  | rF+ Will++}
336587 | Zig:25   | Identified the +3 plate armour of the Leaf {rF+ SInv}
337381 | Zig:26   | Entered Level 26 of a ziggurat
338196 | Zig:26   | Identified the +1 chain mail of Forking Paths {Harm}
338250 | Zig:26   | Identified the +10 halberd of Generosity {flame, Str+4
                  | Dex-5 Stlth+}
338274 | Zig:26   | Identified the +6 glaive of Imbalance {venom, Str-3 Int+2
                  | SInv}
338354 | Zig:26   | Identified the +2 swamp dragon scales of Xom's Vengeance
                  | {rPois rF+}
338358 | Zig:26   | Identified the ring of the Hurting Gods {Ice rPois Dex+3}
338380 | Zig:26   | Identified the +6 eveningstar of the Old World {elec,
                  | ^Contam Dex+2 Stlth+}
338449 | Zig:26   | Identified the staff of the Orcish Mines {*Slow rF+++ rN++
                  | Str+2 Conj}
338455 | Zig:26   | Identified the +7 glaive "Worm" {freeze, Will+ Str+8 Int+4
                  | Dex-3}
338460 | Zig:26   | Identified the +4 orcbow of Gaofeakk {elec, +Blink rF+
                  | Str-3 Dex+3}
338468 | Zig:26   | Identified the +9 falchion of Shame {protect, +Blink Int+4}
338488 | Zig:26   | Identified the ring of Xom's Malicious Joy {rPois rCorr
                  | Str-4 Dex+7 Slay+3}
338640 | Zig:27   | Entered Level 27 of a ziggurat
338814 | Zig:27   | Identified the staff of Giar Lamug {rN++ Dex-5 Necro Earth}
338823 | Zig:27   | Identified the +5 scale mail "Kutol" {Regen+ Int+3 Dex-4
                  | Slay+3}
338829 | Zig:27   | Identified the +1 cloak "Hoptuym" {-Tele *Slow rPois rN+++
                  | Dex+2}
338837 | Zig:27   | Identified the +10 long sword "Ojylydet" {freeze, Int+2}
338851 | Zig:27   | Identified the ring of Fuklih {Fire rN+ Str-3 Int+3 Dex+5}
338880 | Zig:27   | Identified the +11 falchion of the Pharaoh's Fist {holy,
                  | rElec rF+}
338909 | Zig:27   | Identified the +6 whip of the Butterfly {drain, rF+ Str+5}
338911 | Zig:27   | Identified the +2 dagger "Kugam" {flame, Str+4 Int+2}
338916 | Zig:27   | Identified the +0 chain mail of Untold Secrets {Regen+
                  | Slay+3}
338920 | Zig:27   | Identified the orb of True Grit {*channel, rF- MP+9 Dex+2
                  | Tloc}
338932 | Zig:27   | Identified the amulet of Uphemit {rC+ Regen+}
338939 | Zig:27   | Identified the +1 lajatang of Giveu {pain, rN+ Int+3}
339746 | Depths:3 | Acquired 990 gold pieces
339747 | Depths:3 | Acquired 558 gold pieces
339853 | Zig:1    | Entered Level 1 of a ziggurat
339868 | Zig:2    | Entered Level 2 of a ziggurat
339884 | Zig:3    | Entered Level 3 of a ziggurat
339884 | Zig:3    | Noticed an ancient lich
339897 | Zig:3    | Killed an ancient lich
339942 | Zig:3    | Identified the +4 triple sword of the Shining Light {speed,
                  | ^Contam rPois rF++}
339948 | Zig:3    | Identified the +5 fire dragon scales "Gesawoar" {rPois rF++
                  | rC-}
339962 | Zig:3    | Identified the +7 plate armour of Vaajilae {-Tele rC++ rN+
                  | Dex-3}
340056 | Zig:4    | Entered Level 4 of a ziggurat
340056 | Zig:4    | Noticed Kumar the pandemonium lord
340056 | Zig:4    | Noticed Rysacwyo the pandemonium lord
340056 | Zig:4    | Noticed Radapuyd the pandemonium lord
340056 | Zig:4    | Noticed Nicuveed the pandemonium lord
340056 | Zig:4    | Noticed Tunoir the pandemonium lord
340056 | Zig:4    | Noticed Ganwunux the pandemonium lord
340056 | Zig:4    | Noticed Kym Wae the pandemonium lord
340056 | Zig:4    | Noticed Vuunkysita the pandemonium lord
340056 | Zig:4    | Noticed Itod the pandemonium lord
340056 | Zig:4    | Noticed Zasuul the pandemonium lord
340056 | Zig:4    | Noticed Hecy the pandemonium lord
340056 | Zig:4    | Noticed Hilusch the pandemonium lord
340056 | Zig:4    | Noticed Hourchepp the pandemonium lord
340056 | Zig:4    | Noticed Amadil the pandemonium lord
340056 | Zig:4    | Noticed Feacesma the pandemonium lord
340056 | Zig:4    | Noticed Qienn the pandemonium lord
340056 | Zig:4    | Noticed Iwnonnu the pandemonium lord
340056 | Zig:4    | Noticed Wudionoq the pandemonium lord
340056 | Zig:4    | Noticed Ybeun the pandemonium lord
340056 | Zig:4    | Noticed Fyazaruz the pandemonium lord
340056 | Zig:4    | Noticed Oqympuu the pandemonium lord
340056 | Zig:4    | Noticed Biudy the pandemonium lord
340057 | Zig:4    | Killed Nicuveed the pandemonium lord
340057 | Zig:4    | Killed Rysacwyo the pandemonium lord
340057 | Zig:4    | Killed Tunoir the pandemonium lord
340057 | Zig:4    | Killed Itod the pandemonium lord
340057 | Zig:4    | Killed Hilusch the pandemonium lord
340057 | Zig:4    | Killed Qienn the pandemonium lord
340057 | Zig:4    | Killed Wudionoq the pandemonium lord
340057 | Zig:4    | Killed Ybeun the pandemonium lord
340058 | Zig:4    | Noticed Duaff the pandemonium lord
340058 | Zig:4    | Noticed Ishruho the pandemonium lord
340060 | Zig:4    | Killed Iwnonnu the pandemonium lord
340061 | Zig:4    | Killed Hecy the pandemonium lord
340061 | Zig:4    | Killed Radapuyd the pandemonium lord
340061 | Zig:4    | Noticed Keugang the pandemonium lord
340062 | Zig:4    | Killed Oqympuu the pandemonium lord
340062 | Zig:4    | Killed Amadil the pandemonium lord
340062 | Zig:4    | Killed Fyazaruz the pandemonium lord
340062 | Zig:4    | Killed Kumar the pandemonium lord
340062 | Zig:4    | Killed Kym Wae the pandemonium lord
340062 | Zig:4    | Killed Biudy the pandemonium lord
340062 | Zig:4    | Noticed Imekhu Dynlo the pandemonium lord
340063 | Zig:4    | Killed Hourchepp the pandemonium lord
340063 | Zig:4    | Killed Zasuul the pandemonium lord
340063 | Zig:4    | Killed Feacesma the pandemonium lord
340063 | Zig:4    | Killed Ganwunux the pandemonium lord
340063 | Zig:4    | Noticed Maifil the pandemonium lord
340064 | Zig:4    | Killed Vuunkysita the pandemonium lord
340064 | Zig:4    | Killed Keugang the pandemonium lord
340064 | Zig:4    | Noticed Ukegelea the pandemonium lord
340064 | Zig:4    | Noticed Lydogg the pandemonium lord
340065 | Zig:4    | Killed Imekhu Dynlo the pandemonium lord
340065 | Zig:4    | Killed Maifil the pandemonium lord
340066 | Zig:4    | Noticed Ucloasen the pandemonium lord
340066 | Zig:4    | Noticed Buvoqela the pandemonium lord
340067 | Zig:4    | Killed Duaff the pandemonium lord
340067 | Zig:4    | Killed Lydogg the pandemonium lord
340069 | Zig:4    | Killed Ukegelea the pandemonium lord
340069 | Zig:4    | Killed Ucloasen the pandemonium lord
340069 | Zig:4    | Killed Ishruho the pandemonium lord
340074 | Zig:4    | Killed Buvoqela the pandemonium lord
340244 | Zig:5    | Entered Level 5 of a ziggurat
340264 | Zig:5    | Identified the ring "Xoal" {rPois MP-9 AC+4 Int+6}
340271 | Zig:6    | Entered Level 6 of a ziggurat
340287 | Zig:6    | Identified the ring of Cixt {*Slow Fly rElec Str+7 Stlth-}
340467 | Zig:6    | Identified the orb "Weunta" {*Rage, Dex+3 Tloc Ice}
340471 | Zig:6    | Identified the +6 crystal plate armour of Curiosity {+Inv
                  | rElec Int+3}
340506 | Zig:6    | Identified the maw talisman of Viny Tender Moments {Dex+2}
340510 | Zig:6    | Identified the orb of Inviolability {*Rage, rF+ rN+ Dex+3
                  | Slay-6 Necro}
340525 | Zig:7    | Entered Level 7 of a ziggurat
340545 | Zig:8    | Entered Level 8 of a ziggurat
340571 | Zig:9    | Entered Level 9 of a ziggurat
340571 | Zig:9    | Noticed Hatwot the pandemonium lord
340571 | Zig:9    | Noticed Jedghidego the pandemonium lord
340571 | Zig:9    | Noticed Kiuzib the pandemonium lord
340571 | Zig:9    | Noticed Joczorru the pandemonium lord
340571 | Zig:9    | Noticed Oceihet the pandemonium lord
340571 | Zig:9    | Noticed Gueten the pandemonium lord
340571 | Zig:9    | Noticed Ytuater the pandemonium lord
340571 | Zig:9    | Noticed Ateleem the pandemonium lord
340571 | Zig:9    | Noticed Momp the pandemonium lord
340571 | Zig:9    | Noticed Hariddig the pandemonium lord
340571 | Zig:9    | Noticed Zasebbum the pandemonium lord
340571 | Zig:9    | Noticed Seqeuc the pandemonium lord
340571 | Zig:9    | Noticed Qiofasus the pandemonium lord
340571 | Zig:9    | Noticed Laseshy the pandemonium lord
340571 | Zig:9    | Noticed Yrpheimys the pandemonium lord
340571 | Zig:9    | Noticed Xuudd the pandemonium lord
340571 | Zig:9    | Noticed Abbarch the pandemonium lord
340571 | Zig:9    | Noticed Agacareob the pandemonium lord
340571 | Zig:9    | Noticed Yrrevomyl the pandemonium lord
340571 | Zig:9    | Noticed Zevumoc the pandemonium lord
340571 | Zig:9    | Noticed Tocwogonk the pandemonium lord
340571 | Zig:9    | Noticed Rivvui the pandemonium lord
340571 | Zig:9    | Noticed Runkom the pandemonium lord
340571 | Zig:9    | Noticed Jengetum the pandemonium lord
340571 | Zig:9    | Noticed Esaxt the pandemonium lord
340571 | Zig:9    | Noticed Aproyrpho the pandemonium lord
340571 | Zig:9    | Noticed Jeestuh the pandemonium lord
340571 | Zig:9    | Noticed Evobya the pandemonium lord
340571 | Zig:9    | Noticed Moniufi the pandemonium lord
340572 | Zig:9    | Killed Kiuzib the pandemonium lord
340572 | Zig:9    | Killed Ateleem the pandemonium lord
340572 | Zig:9    | Killed Gueten the pandemonium lord
340572 | Zig:9    | Killed Xuudd the pandemonium lord
340572 | Zig:9    | Killed Zasebbum the pandemonium lord
340572 | Zig:9    | Killed Seqeuc the pandemonium lord
340572 | Zig:9    | Killed Laseshy the pandemonium lord
340572 | Zig:9    | Killed Yrrevomyl the pandemonium lord
340572 | Zig:9    | Killed Aproyrpho the pandemonium lord
340572 | Zig:9    | Killed Tocwogonk the pandemonium lord
340572 | Zig:9    | Killed Runkom the pandemonium lord
340574 | Zig:9    | Noticed Eclaegett the pandemonium lord
340574 | Zig:9    | Killed Ytuater the pandemonium lord
340576 | Zig:9    | Noticed Otuil the pandemonium lord
340576 | Zig:9    | Killed Jengetum the pandemonium lord
340576 | Zig:9    | Killed Agacareob the pandemonium lord
340576 | Zig:9    | Killed Oceihet the pandemonium lord
340576 | Zig:9    | Killed Jedghidego the pandemonium lord
340576 | Zig:9    | Killed Momp the pandemonium lord
340576 | Zig:9    | Killed Zevumoc the pandemonium lord
340576 | Zig:9    | Noticed Rophilaps the pandemonium lord
340576 | Zig:9    | Noticed Monyut the pandemonium lord
340577 | Zig:9    | Noticed Fighot the pandemonium lord
340577 | Zig:9    | Noticed Ecakixzuxu the pandemonium lord
340577 | Zig:9    | Killed Rivvui the pandemonium lord
340577 | Zig:9    | Killed Evobya the pandemonium lord
340577 | Zig:9    | Killed Qiofasus the pandemonium lord
340577 | Zig:9    | Noticed Jipnu the pandemonium lord
340578 | Zig:9    | Killed Moniufi the pandemonium lord
340578 | Zig:9    | Killed Esaxt the pandemonium lord
340578 | Zig:9    | Killed Joczorru the pandemonium lord
340578 | Zig:9    | Killed Jeestuh the pandemonium lord
340578 | Zig:9    | Killed Fighot the pandemonium lord
340578 | Zig:9    | Noticed Ibaosolehe the pandemonium lord
340578 | Zig:9    | Noticed Udaituav the pandemonium lord
340578 | Zig:9    | Noticed Afeo the pandemonium lord
340579 | Zig:9    | Noticed Inwit the pandemonium lord
340579 | Zig:9    | Noticed Jent the pandemonium lord
340579 | Zig:9    | Noticed Vumuak the pandemonium lord
340579 | Zig:9    | Noticed Soleul the pandemonium lord
340580 | Zig:9    | Noticed Diobool the pandemonium lord
340581 | Zig:9    | Killed Abbarch the pandemonium lord
340581 | Zig:9    | Killed Hariddig the pandemonium lord
340581 | Zig:9    | Killed Eclaegett the pandemonium lord
340581 | Zig:9    | Killed Jent the pandemonium lord
340581 | Zig:9    | Killed Rophilaps the pandemonium lord
340581 | Zig:9    | Killed Monyut the pandemonium lord
340581 | Zig:9    | Noticed Gywor the pandemonium lord
340582 | Zig:9    | Noticed Jefy the pandemonium lord
340582 | Zig:9    | Noticed Juetuyv the pandemonium lord
340583 | Zig:9    | Noticed Tianinah the pandemonium lord
340583 | Zig:9    | Killed Yrpheimys the pandemonium lord
340583 | Zig:9    | Killed Hatwot the pandemonium lord
340583 | Zig:9    | Killed Gywor the pandemonium lord
340583 | Zig:9    | Noticed Rofeidig the pandemonium lord
340583 | Zig:9    | Noticed Boqeewn the pandemonium lord
340584 | Zig:9    | Killed Ecakixzuxu the pandemonium lord
340584 | Zig:9    | Killed Ibaosolehe the pandemonium lord
340584 | Zig:9    | Killed Soleul the pandemonium lord
340584 | Zig:9    | Killed Afeo the pandemonium lord
340584 | Zig:9    | Killed Udaituav the pandemonium lord
340584 | Zig:9    | Noticed Faoddeky the pandemonium lord
340585 | Zig:9    | Killed Vumuak the pandemonium lord
340585 | Zig:9    | Killed Otuil the pandemonium lord
340585 | Zig:9    | Killed Diobool the pandemonium lord
340585 | Zig:9    | Killed Jipnu the pandemonium lord
340585 | Zig:9    | Killed Juetuyv the pandemonium lord
340586 | Zig:9    | Noticed Ympa the pandemonium lord
340586 | Zig:9    | Noticed Wiec the pandemonium lord
340587 | Zig:9    | Killed Boqeewn the pandemonium lord
340587 | Zig:9    | Killed Faoddeky the pandemonium lord
340587 | Zig:9    | Noticed Rilaec the pandemonium lord
340587 | Zig:9    | Noticed Daabe the pandemonium lord
340589 | Zig:9    | Killed Rofeidig the pandemonium lord
340589 | Zig:9    | Killed Inwit the pandemonium lord
340589 | Zig:9    | Noticed Ocwikhiss the pandemonium lord
340589 | Zig:9    | Noticed Wenowaem the pandemonium lord
340589 | Zig:9    | Noticed Pedur the pandemonium lord
340589 | Zig:9    | Noticed Ifucusi the pandemonium lord
340590 | Zig:9    | Killed Rilaec the pandemonium lord
340590 | Zig:9    | Killed Ympa the pandemonium lord
340590 | Zig:9    | Killed Ocwikhiss the pandemonium lord
340590 | Zig:9    | Noticed Xiequry the pandemonium lord
340590 | Zig:9    | Noticed Avomudgh the pandemonium lord
340591 | Zig:9    | Killed Tianinah the pandemonium lord
340591 | Zig:9    | Killed Wiec the pandemonium lord
340592 | Zig:9    | Noticed Teriow the pandemonium lord
340592 | Zig:9    | Noticed Aradal the pandemonium lord
340592 | Zig:9    | Noticed Saqi the pandemonium lord
340593 | Zig:9    | Noticed Butz the pandemonium lord
340593 | Zig:9    | Noticed Useischamo the pandemonium lord
340593 | Zig:9    | Noticed Wuneusch the pandemonium lord
340594 | Zig:9    | Killed Jefy the pandemonium lord
340594 | Zig:9    | Killed Daabe the pandemonium lord
340594 | Zig:9    | Killed Xiequry the pandemonium lord
340594 | Zig:9    | Killed Pedur the pandemonium lord
340594 | Zig:9    | Killed Wenowaem the pandemonium lord
340595 | Zig:9    | Killed Ifucusi the pandemonium lord
340595 | Zig:9    | Killed Avomudgh the pandemonium lord
340596 | Zig:9    | Noticed Vaczod the pandemonium lord
340596 | Zig:9    | Noticed Goytu the pandemonium lord
340596 | Zig:9    | Noticed Oshry the pandemonium lord
340596 | Zig:9    | Noticed Xilaax the pandemonium lord
340596 | Zig:9    | Noticed Jorchok the pandemonium lord
340598 | Zig:9    | Killed Teriow the pandemonium lord
340598 | Zig:9    | Killed Aradal the pandemonium lord
340599 | Zig:9    | Killed Goytu the pandemonium lord
340599 | Zig:9    | Killed Wuneusch the pandemonium lord
340601 | Zig:9    | Killed Butz the pandemonium lord
340601 | Zig:9    | Killed Useischamo the pandemonium lord
340603 | Zig:9    | Killed Xilaax the pandemonium lord
340603 | Zig:9    | Killed Vaczod the pandemonium lord
340604 | Zig:9    | Killed Oshry the pandemonium lord
340604 | Zig:9    | Killed Saqi the pandemonium lord
340607 | Zig:9    | Killed Jorchok the pandemonium lord
340789 | Zig:9    | Identified the +0 scale mail of Saihorche {Dex+9}
340802 | Zig:9    | Identified the ring of Efokkenu {Fly rElec rCorr Str+3
                  | Int-3}
340807 | Zig:9    | Identified the staff "Elem" {rPois rCorr Dex-4 Stlth+ Hexes
                  | Alchemy}
340967 | Zig:10   | Entered Level 10 of a ziggurat
341274 | Zig:10   | Identified the amulet of Incredulity {Spirit rElec rPois
                  | MP-9}
341374 | Zig:11   | Entered Level 11 of a ziggurat
341374 | Zig:11   | Noticed a royal mummy
341374 | Zig:11   | Noticed a royal mummy
341374 | Zig:11   | Noticed a royal mummy
341374 | Zig:11   | Noticed a royal mummy
341374 | Zig:11   | Noticed a royal mummy
341374 | Zig:11   | Noticed a royal mummy
341374 | Zig:11   | Noticed a royal mummy
341375 | Zig:11   | Killed a royal mummy
341375 | Zig:11   | Killed a royal mummy
341375 | Zig:11   | Killed a royal mummy
341375 | Zig:11   | Killed a royal mummy
341375 | Zig:11   | Killed a royal mummy
341376 | Zig:11   | Noticed a royal mummy
341378 | Zig:11   | Noticed a royal mummy
341379 | Zig:11   | Killed a royal mummy
341379 | Zig:11   | Killed a royal mummy
341379 | Zig:11   | Killed a royal mummy
341379 | Zig:11   | Noticed a royal mummy
341380 | Zig:11   | Noticed a royal mummy
341380 | Zig:11   | Noticed a royal mummy
341380 | Zig:11   | Noticed a royal mummy
341382 | Zig:11   | Noticed a royal mummy
341382 | Zig:11   | Killed a royal mummy
341384 | Zig:11   | Noticed a royal mummy
341385 | Zig:11   | Killed a royal mummy
341386 | Zig:11   | Noticed a royal mummy
341386 | Zig:11   | Noticed a royal mummy
341388 | Zig:11   | Killed a royal mummy
341388 | Zig:11   | Killed a royal mummy
341388 | Zig:11   | Killed a royal mummy
341388 | Zig:11   | Noticed a royal mummy
341390 | Zig:11   | Killed a royal mummy
341390 | Zig:11   | Killed a royal mummy
341390 | Zig:11   | Killed a royal mummy
341390 | Zig:11   | Killed a royal mummy
341390 | Zig:11   | Killed a royal mummy
341390 | Zig:11   | Noticed a royal mummy
341391 | Zig:11   | Noticed a royal mummy
341391 | Zig:11   | Noticed a royal mummy
341393 | Zig:11   | Noticed a royal mummy
341394 | Zig:11   | Noticed a royal mummy
341396 | Zig:11   | Killed a royal mummy
341397 | Zig:11   | Killed a royal mummy
341397 | Zig:11   | Killed a royal mummy
341397 | Zig:11   | Killed a royal mummy
341397 | Zig:11   | Killed a royal mummy
341423 | Zig:11   | Identified the ring of the Distant Future {rC++ SInv}
341439 | Zig:11   | Identified the staff of Ragnarok {rF++ Conj Earth}
341440 | Zig:11   | Identified the +8 rapier of Symmetry {drain, rF+ rN+ MP+9}
341449 | Zig:11   | Identified the +6 halberd of the Candelabrum {pain, rF+
                  | rCorr}
341455 | Zig:11   | Identified the +1 mace of the Endless March {pain, rF+}
341782 | Zig:11   | Identified the +1 plate armour "Ymmet" {Rampage *Slow
                  | Int+8}
341803 | Zig:11   | Identified the +2 long sword "Hoov" {heavy, rN+}
341839 | Zig:12   | Entered Level 12 of a ziggurat
341839 | Zig:12   | Noticed an ancient lich
341839 | Zig:12   | Noticed an ancient lich
341839 | Zig:12   | Noticed an ancient lich
341839 | Zig:12   | Noticed an ancient lich
341839 | Zig:12   | Noticed an ancient lich
341840 | Zig:12   | Killed an ancient lich
341840 | Zig:12   | Killed an ancient lich
341840 | Zig:12   | Killed an ancient lich
341840 | Zig:12   | Killed an ancient lich
341843 | Zig:12   | Killed an ancient lich
341844 | Zig:12   | Noticed an ancient lich
341846 | Zig:12   | Noticed an ancient lich
341846 | Zig:12   | Noticed an ancient lich
341846 | Zig:12   | Killed an ancient lich
341847 | Zig:12   | Noticed an ancient lich
341847 | Zig:12   | Noticed an ancient lich
341848 | Zig:12   | Killed an ancient lich
341849 | Zig:12   | Noticed an ancient lich
341849 | Zig:12   | Noticed an ancient lich
341851 | Zig:12   | Killed an ancient lich
341851 | Zig:12   | Killed an ancient lich
341851 | Zig:12   | Killed an ancient lich
341854 | Zig:12   | Killed an ancient lich
341854 | Zig:12   | Killed an ancient lich
341859 | Zig:12   | Noticed an ancient lich
341861 | Zig:12   | Killed an ancient lich
342237 | Zig:12   | Identified the +6 orcbow "Siedorec" {heavy, rF++}
342243 | Zig:12   | Identified the +5 rapier of Diwou {drain, rC- Will+ Str+3}
342247 | Zig:12   | Identified the ring "Qiphoph" {Ice Int+3 Dex+3 SInv}
342289 | Zig:12   | Identified the staff "Afekhis" {rElec rF- rC+ Int+6 Ice
                  | Air}
342292 | Zig:12   | Identified the +0 storm dragon scales "Woulu Foqo" {rElec
                  | rN+}
342350 | Zig:13   | Entered Level 13 of a ziggurat
342350 | Zig:13   | Noticed a dread lich
342350 | Zig:13   | Noticed a dread lich
342350 | Zig:13   | Noticed an ancient lich
342350 | Zig:13   | Noticed a dread lich
342350 | Zig:13   | Noticed an ancient lich
342350 | Zig:13   | Noticed an ancient lich
342350 | Zig:13   | Noticed an ancient lich
342350 | Zig:13   | Noticed an ancient lich
342350 | Zig:13   | Noticed an ancient lich
342350 | Zig:13   | Noticed an ancient lich
342350 | Zig:13   | Noticed an ancient lich
342350 | Zig:13   | Noticed a dread lich
342350 | Zig:13   | Noticed a dread lich
342350 | Zig:13   | Noticed a dread lich
342350 | Zig:13   | Noticed a dread lich
342350 | Zig:13   | Noticed an ancient lich
342350 | Zig:13   | Noticed an ancient lich
342350 | Zig:13   | Noticed a dread lich
342350 | Zig:13   | Noticed a dread lich
342351 | Zig:13   | Killed an ancient lich
342351 | Zig:13   | Killed a dread lich
342351 | Zig:13   | Killed an ancient lich
342351 | Zig:13   | Killed an ancient lich
342351 | Zig:13   | Killed an ancient lich
342351 | Zig:13   | Killed an ancient lich
342351 | Zig:13   | Killed an ancient lich
342351 | Zig:13   | Killed an ancient lich
342351 | Zig:13   | Killed a dread lich
342351 | Zig:13   | Killed an ancient lich
342351 | Zig:13   | Killed a dread lich
342351 | Zig:13   | Killed a dread lich
342351 | Zig:13   | Killed an ancient lich
342352 | Zig:13   | Noticed an ancient lich
342352 | Zig:13   | Noticed an ancient lich
342353 | Zig:13   | Noticed an ancient lich
342353 | Zig:13   | Noticed a dread lich
342354 | Zig:13   | Noticed a dread lich
342354 | Zig:13   | Noticed an ancient lich
342354 | Zig:13   | Noticed an ancient lich
342354 | Zig:13   | Noticed an ancient lich
342354 | Zig:13   | Noticed a dread lich
342354 | Zig:13   | Noticed a dread lich
342355 | Zig:13   | Killed a dread lich
342355 | Zig:13   | Killed a dread lich
342355 | Zig:13   | Killed an ancient lich
342355 | Zig:13   | Killed a dread lich
342355 | Zig:13   | Killed a dread lich
342355 | Zig:13   | Killed an ancient lich
342355 | Zig:13   | Killed a dread lich
342355 | Zig:13   | Killed an ancient lich
342355 | Zig:13   | Killed an ancient lich
342355 | Zig:13   | Killed a dread lich
342355 | Zig:13   | Killed an ancient lich
342355 | Zig:13   | Killed a dread lich
342355 | Zig:13   | Noticed a dread lich
342355 | Zig:13   | Noticed an ancient lich
342356 | Zig:13   | Noticed a dread lich
342356 | Zig:13   | Noticed a dread lich
342356 | Zig:13   | Noticed a dread lich
342356 | Zig:13   | Noticed an ancient lich
342357 | Zig:13   | Noticed a dread lich
342357 | Zig:13   | Noticed a dread lich
342357 | Zig:13   | Noticed a dread lich
342357 | Zig:13   | Noticed a dread lich
342357 | Zig:13   | Noticed a dread lich
342358 | Zig:13   | Killed a dread lich
342358 | Zig:13   | Killed a dread lich
342358 | Zig:13   | Killed an ancient lich
342358 | Zig:13   | Killed an ancient lich
342358 | Zig:13   | Killed a dread lich
342358 | Zig:13   | Killed a dread lich
342359 | Zig:13   | Noticed a dread lich
342359 | Zig:13   | Noticed a dread lich
342359 | Zig:13   | Noticed a dread lich
342359 | Zig:13   | Noticed an ancient lich
342360 | Zig:13   | Noticed an ancient lich
342360 | Zig:13   | Noticed an ancient lich
342360 | Zig:13   | Noticed a dread lich
342360 | Zig:13   | Noticed a dread lich
342360 | Zig:13   | Noticed an ancient lich
342360 | Zig:13   | Noticed an ancient lich
342361 | Zig:13   | Noticed a dread lich
342361 | Zig:13   | Killed a dread lich
342361 | Zig:13   | Killed a dread lich
342361 | Zig:13   | Killed an ancient lich
342361 | Zig:13   | Killed a dread lich
342361 | Zig:13   | Killed a dread lich
342361 | Zig:13   | Killed a dread lich
342361 | Zig:13   | Killed a dread lich
342361 | Zig:13   | Killed a dread lich
342361 | Zig:13   | Killed a dread lich
342361 | Zig:13   | Killed an ancient lich
342361 | Zig:13   | Killed a dread lich
342361 | Zig:13   | Killed an ancient lich
342361 | Zig:13   | Killed a dread lich
342361 | Zig:13   | Killed an ancient lich
342361 | Zig:13   | Killed an ancient lich
342362 | Zig:13   | Noticed a dread lich
342363 | Zig:13   | Noticed a dread lich
342364 | Zig:13   | Killed a dread lich
342364 | Zig:13   | Killed an ancient lich
342364 | Zig:13   | Killed an ancient lich
342364 | Zig:13   | Killed a dread lich
342364 | Zig:13   | Killed a dread lich
342364 | Zig:13   | Killed a dread lich
342365 | Zig:13   | Killed a dread lich
342365 | Zig:13   | Noticed a dread lich
342366 | Zig:13   | Noticed a dread lich
342366 | Zig:13   | Noticed an ancient lich
342367 | Zig:13   | Noticed a dread lich
342367 | Zig:13   | Noticed a dread lich
342367 | Zig:13   | Noticed an ancient lich
342367 | Zig:13   | Noticed a dread lich
342367 | Zig:13   | Noticed a dread lich
342367 | Zig:13   | Noticed an ancient lich
342369 | Zig:13   | Killed a dread lich
342369 | Zig:13   | Killed a dread lich
342369 | Zig:13   | Killed an ancient lich
342369 | Zig:13   | Killed a dread lich
342369 | Zig:13   | Killed a dread lich
342369 | Zig:13   | Killed an ancient lich
342369 | Zig:13   | Killed a dread lich
342369 | Zig:13   | Killed a dread lich
342369 | Zig:13   | Killed an ancient lich
342369 | Zig:13   | Killed a dread lich
342369 | Zig:13   | Noticed a dread lich
342370 | Zig:13   | Noticed an ancient lich
342370 | Zig:13   | Noticed a dread lich
342371 | Zig:13   | Noticed a dread lich
342371 | Zig:13   | Noticed a dread lich
342371 | Zig:13   | Noticed a dread lich
342372 | Zig:13   | Killed a dread lich
342372 | Zig:13   | Killed a dread lich
342372 | Zig:13   | Killed a dread lich
342373 | Zig:13   | Noticed a dread lich
342375 | Zig:13   | Killed an ancient lich
342378 | Zig:13   | Killed a dread lich
342378 | Zig:13   | Killed a dread lich
342378 | Zig:13   | Killed a dread lich
342379 | Zig:13   | Identified the +1 short sword of Uncomfortable Rashes
                  | {freeze, rPois rF- rC+++ Dex+4}
342408 | Zig:13   | Identified the +0 ring mail "Beoc" {rN+ Int+3}
342420 | Zig:13   | Identified the ring of the Frog {Fly Str+4 Slay-5}
342432 | Zig:13   | Identified the ring "Lyituegyr" {Wiz SInv}
342436 | Zig:13   | Identified the staff of War {rPois rF- rC+ rCorr Dex+7 Ice}
342466 | Zig:13   | Identified the ring of Giarrob {EV+5 SInv}
342827 | Zig:14   | Entered Level 14 of a ziggurat
342851 | Zig:14   | Noticed Pohoka the pandemonium lord
342856 | Zig:14   | Killed Pohoka the pandemonium lord
342860 | Zig:14   | Identified the +1 short sword of Revolt {chaos, rN+ Will+
                  | Str+5}
343338 | Zig:14   | Identified the amulet of Freedom {Acrobat rElec Will++
                  | Dex+3}
343358 | Zig:14   | Identified the +1 morningstar of Absolution {heavy, Will+}
343383 | Zig:14   | Identified the staff of Icuile {Will+ Int-5 Dex+5 Conj}
343425 | Zig:14   | Identified the +10 plate armour of Tunisk {rF+ rC+ Slay+3}
343457 | Zig:15   | Entered Level 15 of a ziggurat
343519 | Zig:15   | Identified the +0 plate armour "Cafret" {SInv}
343522 | Zig:15   | Identified the staff "Ifiy" {rPois rF+ rC+ Stlth- Ice}
343526 | Zig:15   | Identified the +5 rapier of Jitwepo {speed, Str-3 Dex+5}
343543 | Zig:15   | Identified the +6 scale mail of the Tick {Rampage Str-5
                  | SInv}
343544 | Zig:15   | Identified the +1 glaive "Murmur" {protect, rCorr Str+3
                  | Stlth+}
343551 | Zig:15   | Identified the +4 falchion of Wurekyxo {elec, Int+3}
344070 | Zig:16   | Entered Level 16 of a ziggurat
344102 | Zig:16   | Identified the +4 dagger of the Lamprey {vamp, rC+ Int-4
                  | Dex+4}
344681 | Zig:16   | Identified the +1 orcbow of Zin's Esteem {freeze, ^Drain
                  | rF+ MP+9}
344697 | Zig:16   | Identified the amulet of Contentment {RegenMP +Blink +Inv
                  | rC- Stlth+}
344703 | Zig:16   | Identified the +10 glaive "Vyuzio" {flame, rPois rC- Str+2}
344749 | Zig:16   | Identified the ring of Edaphab {rN+ MP+9 Str-3 Dex+3
                  | Slay+3}
344753 | Zig:16   | Identified the +8 mace "Tilois" {elec, *Slow rF++ rC+ SInv}
344811 | Zig:17   | Entered Level 17 of a ziggurat
344856 | Zig:17   | Identified the +0 hand axe of Turmoil {freeze, rC++}
344872 | Zig:17   | Identified the +10 quarterstaff of the Transparent God
                  | {heavy, rElec Dex+3 Stlth+}
344874 | Zig:17   | Identified the +5 chain mail "Noph" {rF+ Str+2}
344877 | Zig:17   | Identified the +8 chain mail of the Harvest {Fly rN+ Str-4}
344886 | Zig:17   | Identified the +1 ring mail of Poor Excuses {*Slow rF+
                  | rCorr SInv}
344887 | Zig:17   | Identified the +8 rapier "Bingo" {speed, Int+5 Dex+4}
344888 | Zig:17   | Identified the +0 plate armour of Words of Power {rN+ MP+9}
344991 | Zig:17   | Identified the +8 great mace "Zubbiz" {venom, Dex+4}
345556 | Zig:18   | Entered Level 18 of a ziggurat
345556 | Zig:18   | Noticed Pog Xufo the pandemonium lord
345556 | Zig:18   | Noticed Ohideys the pandemonium lord
345556 | Zig:18   | Noticed Ceecsi the pandemonium lord
345556 | Zig:18   | Noticed Widos the pandemonium lord
345556 | Zig:18   | Noticed Diacsuprut the pandemonium lord
345556 | Zig:18   | Noticed Soxa the pandemonium lord
345556 | Zig:18   | Noticed Atofueg the pandemonium lord
345556 | Zig:18   | Noticed Dusaigry the pandemonium lord
345556 | Zig:18   | Noticed Xades the pandemonium lord
345556 | Zig:18   | Noticed Jemat the pandemonium lord
345556 | Zig:18   | Noticed Angemiko the pandemonium lord
345556 | Zig:18   | Noticed Assuuq the pandemonium lord
345556 | Zig:18   | Noticed Lialehec the pandemonium lord
345556 | Zig:18   | Noticed Pemod the pandemonium lord
345556 | Zig:18   | Noticed Laxaish Pene the pandemonium lord
345556 | Zig:18   | Noticed Acyur the pandemonium lord
345556 | Zig:18   | Noticed Ciynnole the pandemonium lord
345556 | Zig:18   | Noticed Linoimp the pandemonium lord
345556 | Zig:18   | Noticed Sagrepee the pandemonium lord
345556 | Zig:18   | Noticed Xoagech the pandemonium lord
345556 | Zig:18   | Noticed Ugedonet the pandemonium lord
345556 | Zig:18   | Noticed Wosemosch the pandemonium lord
345556 | Zig:18   | Noticed Myadgh the pandemonium lord
345556 | Zig:18   | Noticed Nied the pandemonium lord
345556 | Zig:18   | Noticed Vimy the pandemonium lord
345556 | Zig:18   | Noticed Icisyqeg the pandemonium lord
345556 | Zig:18   | Noticed Aniesaur the pandemonium lord
345556 | Zig:18   | Noticed Gipnor the pandemonium lord
345556 | Zig:18   | Noticed Ifapsouh the pandemonium lord
345556 | Zig:18   | Noticed Edun the pandemonium lord
345556 | Zig:18   | Noticed Unnyo the pandemonium lord
345556 | Zig:18   | Noticed Faitaxagg the pandemonium lord
345556 | Zig:18   | Noticed Ofreal the pandemonium lord
345556 | Zig:18   | Noticed Kyacohaane the pandemonium lord
345556 | Zig:18   | Noticed Vemen the pandemonium lord
345556 | Zig:18   | Noticed Ysizaoho the pandemonium lord
345556 | Zig:18   | Noticed Rothon the pandemonium lord
345556 | Zig:18   | Noticed Ilaerepp the pandemonium lord
345558 | Zig:18   | Noticed Abloimp the pandemonium lord
345558 | Zig:18   | Killed Lialehec the pandemonium lord
345558 | Zig:18   | Killed Ohideys the pandemonium lord
345558 | Zig:18   | Killed Jemat the pandemonium lord
345558 | Zig:18   | Killed Icisyqeg the pandemonium lord
345558 | Zig:18   | Killed Gipnor the pandemonium lord
345558 | Zig:18   | Killed Ugedonet the pandemonium lord
345558 | Zig:18   | Killed Nied the pandemonium lord
345558 | Zig:18   | Killed Vimy the pandemonium lord
345558 | Zig:18   | Killed Myadgh the pandemonium lord
345558 | Zig:18   | Killed Wosemosch the pandemonium lord
345558 | Zig:18   | Killed Ifapsouh the pandemonium lord
345558 | Zig:18   | Killed Ofreal the pandemonium lord
345558 | Zig:18   | Killed Ysizaoho the pandemonium lord
345558 | Zig:18   | Killed Kyacohaane the pandemonium lord
345558 | Zig:18   | Killed Faitaxagg the pandemonium lord
345558 | Zig:18   | Killed Unnyo the pandemonium lord
345558 | Zig:18   | Killed Ciynnole the pandemonium lord
345558 | Zig:18   | Killed Afobag the pandemonium lord
345558 | Zig:18   | Noticed Samoec the pandemonium lord
345559 | Zig:18   | Killed Vemen the pandemonium lord
345559 | Zig:18   | Killed Sagrepee the pandemonium lord
345559 | Zig:18   | Killed Pemod the pandemonium lord
345559 | Zig:18   | Killed Rothon the pandemonium lord
345559 | Zig:18   | Killed Acyur the pandemonium lord
345559 | Zig:18   | Noticed Zami Wusadetz the pandemonium lord
345559 | Zig:18   | Noticed Bucucud the pandemonium lord
345559 | Zig:18   | Killed Aniesaur the pandemonium lord
345559 | Zig:18   | Noticed Gooppod the pandemonium lord
345560 | Zig:18   | Killed Linoimp the pandemonium lord
345560 | Zig:18   | Killed Edun the pandemonium lord
345560 | Zig:18   | Killed Assuuq the pandemonium lord
345560 | Zig:18   | Killed Ceecsi the pandemonium lord
345560 | Zig:18   | Killed Soxa the pandemonium lord
345560 | Zig:18   | Killed Xoagech the pandemonium lord
345560 | Zig:18   | Killed Xades the pandemonium lord
345560 | Zig:18   | Killed Widos the pandemonium lord
345560 | Zig:18   | Killed Pog Xufo the pandemonium lord
345560 | Zig:18   | Killed Vilekkuh the pandemonium lord
345560 | Zig:18   | Killed Samoec the pandemonium lord
345561 | Zig:18   | Noticed Miosmin the pandemonium lord
345561 | Zig:18   | Noticed Waqivoam the pandemonium lord
345561 | Zig:18   | Noticed Plog the pandemonium lord
345562 | Zig:18   | Killed Ilaerepp the pandemonium lord
345562 | Zig:18   | Killed Laxaish Pene the pandemonium lord
345562 | Zig:18   | Killed Angemiko the pandemonium lord
345562 | Zig:18   | Killed Diacsuprut the pandemonium lord
345562 | Zig:18   | Killed Atofueg the pandemonium lord
345562 | Zig:18   | Killed Gooppod the pandemonium lord
345563 | Zig:18   | Noticed Juycumnu the pandemonium lord
345563 | Zig:18   | Noticed Axidicet the pandemonium lord
345563 | Zig:18   | Noticed Lierilal the pandemonium lord
345563 | Zig:18   | Noticed Deite the pandemonium lord
345563 | Zig:18   | Noticed Yrecwuq the pandemonium lord
345564 | Zig:18   | Noticed Vomul the pandemonium lord
345564 | Zig:18   | Killed Dusaigry the pandemonium lord
345564 | Zig:18   | Killed Zami Wusadetz the pandemonium lord
345564 | Zig:18   | Killed Bucucud the pandemonium lord
345564 | Zig:18   | Killed Abloimp the pandemonium lord
345564 | Zig:18   | Noticed Xeugiroa the pandemonium lord
345564 | Zig:18   | Noticed Xuvoem the pandemonium lord
345565 | Zig:18   | Noticed Mesaisak the pandemonium lord
345565 | Zig:18   | Noticed Jabrevona the pandemonium lord
345565 | Zig:18   | Noticed Guaruah the pandemonium lord
345565 | Zig:18   | Noticed Lotilar the pandemonium lord
345565 | Zig:18   | Noticed Leiqiplent the pandemonium lord
345565 | Zig:18   | Noticed Icamadwo the pandemonium lord
345565 | Zig:18   | Noticed Giabyac the pandemonium lord
345566 | Zig:18   | Killed Plog the pandemonium lord
345566 | Zig:18   | Killed Axidicet the pandemonium lord
345566 | Zig:18   | Killed Waqivoam the pandemonium lord
345566 | Zig:18   | Killed Juycumnu the pandemonium lord
345566 | Zig:18   | Killed Vomul the pandemonium lord
345566 | Zig:18   | Killed Deite the pandemonium lord
345567 | Zig:18   | Noticed Xygodgho the pandemonium lord
345567 | Zig:18   | Noticed Juaj the pandemonium lord
345567 | Zig:18   | Noticed Ceick the pandemonium lord
345567 | Zig:18   | Noticed Fizastik the pandemonium lord
345567 | Zig:18   | Noticed Zavicia the pandemonium lord
345567 | Zig:18   | Noticed Teab Piollu the pandemonium lord
345567 | Zig:18   | Noticed Ziaribaga the pandemonium lord
345569 | Zig:18   | Noticed Vaijol the pandemonium lord
345569 | Zig:18   | Noticed Uvuonu the pandemonium lord
345569 | Zig:18   | Noticed Qyroul the pandemonium lord
345570 | Zig:18   | Noticed Beostatu the pandemonium lord
345572 | Zig:18   | Killed Lotilar the pandemonium lord
345572 | Zig:18   | Killed Qyroul the pandemonium lord
345572 | Zig:18   | Killed Miosmin the pandemonium lord
345573 | Zig:18   | Noticed Sanecupi the pandemonium lord
345573 | Zig:18   | Noticed Beif the pandemonium lord
345574 | Zig:18   | Noticed Rufok the pandemonium lord
345574 | Zig:18   | Killed Guaruah the pandemonium lord
345574 | Zig:18   | Killed Xuvoem the pandemonium lord
345575 | Zig:18   | Killed Vaijol the pandemonium lord
345575 | Zig:18   | Killed Mesaisak the pandemonium lord
345575 | Zig:18   | Killed Leiqiplent the pandemonium lord
345575 | Zig:18   | Killed Fizastik the pandemonium lord
345575 | Zig:18   | Killed Juaj the pandemonium lord
345575 | Zig:18   | Killed Ceick the pandemonium lord
345575 | Zig:18   | Killed Jabrevona the pandemonium lord
345575 | Zig:18   | Killed Xeugiroa the pandemonium lord
345575 | Zig:18   | Killed Uvuonu the pandemonium lord
345575 | Zig:18   | Killed Hyetopif the pandemonium lord
345575 | Zig:18   | Noticed Ipreib the pandemonium lord
345575 | Zig:18   | Noticed Ygoskuc the pandemonium lord
345575 | Zig:18   | Killed Xygodgho the pandemonium lord
345575 | Zig:18   | Noticed Axyra the pandemonium lord
345575 | Zig:18   | Noticed Optocwah the pandemonium lord
345576 | Zig:18   | Killed Zavicia the pandemonium lord
345576 | Zig:18   | Noticed Ikytemurch the pandemonium lord
345576 | Zig:18   | Noticed Seifei the pandemonium lord
345577 | Zig:18   | Noticed Naxoi the pandemonium lord
345577 | Zig:18   | Killed Ziaribaga the pandemonium lord
345577 | Zig:18   | Killed Miwynn the pandemonium lord
345577 | Zig:18   | Noticed Qaitraf the pandemonium lord
345577 | Zig:18   | Noticed Biaczu the pandemonium lord
345578 | Zig:18   | Killed Giabyac the pandemonium lord
345578 | Zig:18   | Killed Lierilal the pandemonium lord
345578 | Zig:18   | Killed Beif the pandemonium lord
345578 | Zig:18   | Killed Sanecupi the pandemonium lord
345578 | Zig:18   | Killed Yrecwuq the pandemonium lord
345578 | Zig:18   | Killed Icamadwo the pandemonium lord
345578 | Zig:18   | Killed Piacla the pandemonium lord
345578 | Zig:18   | Killed Plog the pandemonium lord
345578 | Zig:18   | Killed Wag Imergh the pandemonium lord
345578 | Zig:18   | Noticed Wedotan the pandemonium lord
345578 | Zig:18   | Noticed Gouzxeg the pandemonium lord
345578 | Zig:18   | Noticed Odaol the pandemonium lord
345579 | Zig:18   | Noticed Oxur the pandemonium lord
345579 | Zig:18   | Noticed Xuovi the pandemonium lord
345579 | Zig:18   | Noticed Setusi Qiocw the pandemonium lord
345579 | Zig:18   | Noticed Opliz the pandemonium lord
345580 | Zig:18   | Noticed Wicewe the pandemonium lord
345580 | Zig:18   | Noticed Togejuz the pandemonium lord
345580 | Zig:18   | Noticed Forhunn the pandemonium lord
345580 | Zig:18   | Noticed Xizeoth the pandemonium lord
345580 | Zig:18   | Killed Qaitraf the pandemonium lord
345580 | Zig:18   | Killed Odaol the pandemonium lord
345580 | Zig:18   | Killed Beostatu the pandemonium lord
345580 | Zig:18   | Killed Ikytemurch the pandemonium lord
345580 | Zig:18   | Noticed Pubuf the pandemonium lord
345581 | Zig:18   | Noticed Umait the pandemonium lord
345581 | Zig:18   | Killed Naxoi the pandemonium lord
345581 | Zig:18   | Killed Ipreib the pandemonium lord
345581 | Zig:18   | Killed Biaczu the pandemonium lord
345581 | Zig:18   | Killed Ygoskuc the pandemonium lord
345581 | Zig:18   | Killed Axyra the pandemonium lord
345581 | Zig:18   | Noticed Loppezam the pandemonium lord
345582 | Zig:18   | Noticed Xose the pandemonium lord
345582 | Zig:18   | Noticed Musuqom the pandemonium lord
345582 | Zig:18   | Noticed Wyism the pandemonium lord
345582 | Zig:18   | Noticed Pukepso the pandemonium lord
345582 | Zig:18   | Noticed Etuejaj the pandemonium lord
345582 | Zig:18   | Noticed Ynuo the pandemonium lord
345582 | Zig:18   | Noticed Jalloaj the pandemonium lord
345583 | Zig:18   | Killed Seifei the pandemonium lord
345583 | Zig:18   | Killed Togejuz the pandemonium lord
345583 | Zig:18   | Killed Optocwah the pandemonium lord
345583 | Zig:18   | Killed Setusi Qiocw the pandemonium lord
345583 | Zig:18   | Killed Wedotan the pandemonium lord
345583 | Zig:18   | Killed Forhunn the pandemonium lord
345583 | Zig:18   | Killed Pubuf the pandemonium lord
345583 | Zig:18   | Noticed Maqil the pandemonium lord
345583 | Zig:18   | Noticed Luaqicit the pandemonium lord
345584 | Zig:18   | Noticed Qistrycw the pandemonium lord
345584 | Zig:18   | Noticed Zauzeph the pandemonium lord
345584 | Zig:18   | Noticed Ufenair the pandemonium lord
345584 | Zig:18   | Noticed Umugij the pandemonium lord
345584 | Zig:18   | Noticed Huceemy the pandemonium lord
345584 | Zig:18   | Noticed Febit the pandemonium lord
345584 | Zig:18   | Noticed Wuekh the pandemonium lord
345584 | Zig:18   | Noticed Dieguot the pandemonium lord
345584 | Zig:18   | Killed Umait the pandemonium lord
345585 | Zig:18   | Noticed Qifel the pandemonium lord
345585 | Zig:18   | Noticed Wuap the pandemonium lord
345585 | Zig:18   | Killed Opliz the pandemonium lord
345585 | Zig:18   | Killed Pukepso the pandemonium lord
345585 | Zig:18   | Killed Rufok the pandemonium lord
345585 | Zig:18   | Killed Musuqom the pandemonium lord
345585 | Zig:18   | Killed Oxur the pandemonium lord
345585 | Zig:18   | Killed Xuovi the pandemonium lord
345585 | Zig:18   | Killed Febit the pandemonium lord
345585 | Zig:18   | Killed Gouzxeg the pandemonium lord
345585 | Zig:18   | Noticed Luevir the pandemonium lord
345586 | Zig:18   | Noticed Gaifacig the pandemonium lord
345586 | Zig:18   | Noticed Usis the pandemonium lord
345586 | Zig:18   | Noticed Giblioxa the pandemonium lord
345586 | Zig:18   | Noticed Pupun the pandemonium lord
345586 | Zig:18   | Noticed Vetucim the pandemonium lord
345586 | Zig:18   | Noticed Munu the pandemonium lord
345586 | Zig:18   | Noticed Woisinaz the pandemonium lord
345586 | Zig:18   | Noticed Peymaifoff the pandemonium lord
345586 | Zig:18   | Noticed Juriu the pandemonium lord
345586 | Zig:18   | Killed Vetucim the pandemonium lord
345586 | Zig:18   | Killed Woisinaz the pandemonium lord
345586 | Zig:18   | Noticed Coyruigh the pandemonium lord
345587 | Zig:18   | Killed Ynuo the pandemonium lord
345587 | Zig:18   | Killed Xose the pandemonium lord
345587 | Zig:18   | Killed Ufenair the pandemonium lord
345587 | Zig:18   | Killed Coyruigh the pandemonium lord
345587 | Zig:18   | Killed Jalloaj the pandemonium lord
345587 | Zig:18   | Killed Loppezam the pandemonium lord
345587 | Zig:18   | Killed Wicewe the pandemonium lord
345587 | Zig:18   | Noticed Urim the pandemonium lord
345587 | Zig:18   | Noticed Quatevud the pandemonium lord
345588 | Zig:18   | Noticed Vakh the pandemonium lord
345588 | Zig:18   | Noticed Coalox the pandemonium lord
345588 | Zig:18   | Noticed Kentenu the pandemonium lord
345588 | Zig:18   | Noticed Bigukk the pandemonium lord
345589 | Zig:18   | Killed Xizeoth the pandemonium lord
345589 | Zig:18   | Killed Huceemy the pandemonium lord
345589 | Zig:18   | Killed Coalox the pandemonium lord
345589 | Zig:18   | Killed Dieguot the pandemonium lord
345589 | Zig:18   | Killed Pupun the pandemonium lord
345589 | Zig:18   | Killed Munu the pandemonium lord
345589 | Zig:18   | Killed Peymaifoff the pandemonium lord
345589 | Zig:18   | Noticed Oxtik the pandemonium lord
345589 | Zig:18   | Killed Liokhum the pandemonium lord
345589 | Zig:18   | Killed Taeth the pandemonium lord
345589 | Zig:18   | Noticed Emalar the pandemonium lord
345590 | Zig:18   | Noticed Ronwecuy the pandemonium lord
345590 | Zig:18   | Noticed Kidwegh the pandemonium lord
345590 | Zig:18   | Noticed Sujot the pandemonium lord
345590 | Zig:18   | Noticed Coure the pandemonium lord
345590 | Zig:18   | Noticed Opup the pandemonium lord
345591 | Zig:18   | Killed Wuap the pandemonium lord
345591 | Zig:18   | Killed Wuekh the pandemonium lord
345591 | Zig:18   | Killed Usis the pandemonium lord
345591 | Zig:18   | Killed Zauzeph the pandemonium lord
345591 | Zig:18   | Killed Qifel the pandemonium lord
345591 | Zig:18   | Killed Coure the pandemonium lord
345591 | Zig:18   | Killed Luevir the pandemonium lord
345591 | Zig:18   | Killed Umugij the pandemonium lord
345591 | Zig:18   | Noticed Poshu the pandemonium lord
345592 | Zig:18   | Noticed Wef Gaih the pandemonium lord
345592 | Zig:18   | Killed Qistrycw the pandemonium lord
345592 | Zig:18   | Killed Luaqicit the pandemonium lord
345592 | Zig:18   | Killed Vakh the pandemonium lord
345592 | Zig:18   | Killed Maqil the pandemonium lord
345592 | Zig:18   | Killed Giblioxa the pandemonium lord
345592 | Zig:18   | Killed Urim the pandemonium lord
345592 | Zig:18   | Noticed Ruriylog the pandemonium lord
345592 | Zig:18   | Killed Leankahi the pandemonium lord
345592 | Zig:18   | Killed Sujot the pandemonium lord
345592 | Zig:18   | Noticed Nireofrum the pandemonium lord
345593 | Zig:18   | Noticed Perrec the pandemonium lord
345593 | Zig:18   | Noticed Qaonocke the pandemonium lord
345593 | Zig:18   | Noticed Saukeu the pandemonium lord
345593 | Zig:18   | Noticed Ogra the pandemonium lord
345594 | Zig:18   | Noticed Vyruesygg the pandemonium lord
345594 | Zig:18   | Killed Wyism the pandemonium lord
345594 | Zig:18   | Killed Etuejaj the pandemonium lord
345594 | Zig:18   | Killed Bigukk the pandemonium lord
345594 | Zig:18   | Killed Gaifacig the pandemonium lord
345594 | Zig:18   | Killed Quatevud the pandemonium lord
345594 | Zig:18   | Killed Poshu the pandemonium lord
345594 | Zig:18   | Killed Kentenu the pandemonium lord
345594 | Zig:18   | Noticed Muivor the pandemonium lord
345595 | Zig:18   | Noticed Cueptet the pandemonium lord
345596 | Zig:18   | Killed Ronwecuy the pandemonium lord
345596 | Zig:18   | Killed Ogra the pandemonium lord
345596 | Zig:18   | Killed Opup the pandemonium lord
345596 | Zig:18   | Killed Nireofrum the pandemonium lord
345596 | Zig:18   | Killed Emalar the pandemonium lord
345596 | Zig:18   | Killed Oxtik the pandemonium lord
345596 | Zig:18   | Killed Juriu the pandemonium lord
345596 | Zig:18   | Killed Cueptet the pandemonium lord
345596 | Zig:18   | Noticed Azer the pandemonium lord
345597 | Zig:18   | Killed Kidwegh the pandemonium lord
345597 | Zig:18   | Killed Wef Gaih the pandemonium lord
345597 | Zig:18   | Noticed Laaja the pandemonium lord
345597 | Zig:18   | Noticed Eczophil the pandemonium lord
345597 | Zig:18   | Killed Uxing the pandemonium lord
345598 | Zig:18   | Noticed Urash the pandemonium lord
345598 | Zig:18   | Noticed Podghiolargh the pandemonium lord
345598 | Zig:18   | Noticed Reinall the pandemonium lord
345598 | Zig:18   | Noticed Lympad the pandemonium lord
345599 | Zig:18   | Killed Ruriylog the pandemonium lord
345599 | Zig:18   | Killed Saukeu the pandemonium lord
345600 | Zig:18   | Noticed Leagimey the pandemonium lord
345600 | Zig:18   | Noticed Kexecosy the pandemonium lord
345600 | Zig:18   | Noticed Juguof the pandemonium lord
345600 | Zig:18   | Noticed Suat the pandemonium lord
345600 | Zig:18   | Noticed Tawy the pandemonium lord
345600 | Zig:18   | Killed Perrec the pandemonium lord
345601 | Zig:18   | Killed Vyruesygg the pandemonium lord
345601 | Zig:18   | Killed Azer the pandemonium lord
345601 | Zig:18   | Killed Laaja the pandemonium lord
345601 | Zig:18   | Killed Qaonocke the pandemonium lord
345601 | Zig:18   | Noticed Saxessu the pandemonium lord
345602 | Zig:18   | Noticed Wuces the pandemonium lord
345602 | Zig:18   | Noticed Jimuy the pandemonium lord
345604 | Zig:18   | Killed Urash the pandemonium lord
345604 | Zig:18   | Killed Juguof the pandemonium lord
345604 | Zig:18   | Killed Podghiolargh the pandemonium lord
345604 | Zig:18   | Killed Tawy the pandemonium lord
345604 | Zig:18   | Killed Lympad the pandemonium lord
345604 | Zig:18   | Killed Eczophil the pandemonium lord
345604 | Zig:18   | Killed Reinall the pandemonium lord
345604 | Zig:18   | Killed Suat the pandemonium lord
345605 | Zig:18   | Noticed Lepn the pandemonium lord
345605 | Zig:18   | Noticed Qotyuson the pandemonium lord
345605 | Zig:18   | Noticed Horphah the pandemonium lord
345606 | Zig:18   | Killed Muivor the pandemonium lord
345606 | Zig:18   | Killed Saxessu the pandemonium lord
345608 | Zig:18   | Killed Qotyuson the pandemonium lord
345608 | Zig:18   | Killed Leagimey the pandemonium lord
345610 | Zig:18   | Killed Jimuy the pandemonium lord
345610 | Zig:18   | Killed Kexecosy the pandemonium lord
345610 | Zig:18   | Killed Wuces the pandemonium lord
345612 | Zig:18   | Killed Horphah the pandemonium lord
345612 | Zig:18   | Killed Lepn the pandemonium lord
345619 | Zig:18   | Killed Teab Piollu the pandemonium lord
346111 | Zig:18   | Identified the staff of the Ten Lovers {rC++ rN+ Will-
                  | Necro}
346113 | Zig:18   | Identified the +9 battleaxe "Vequtzuekk" {elec, rElec
                  | Str+6}
346130 | Zig:18   | Identified the +6 hand axe "Korischyi" {heavy, ^Drain
                  | Dex+6}
346150 | Zig:18   | Identified the +8 plate armour of Living Mirth {rPois rF-
                  | Will++ Int+3}
346159 | Zig:18   | Identified the +3 leather armour of the Charmed Slorg
                  | {Will++}
346167 | Zig:18   | Identified the +8 dagger "Tiudac" {vamp, Will- Str+4}
346183 | Zig:18   | Identified the +10 mace "Xoereq" {freeze, +Blink Str+6}
346275 | Zig:19   | Entered Level 19 of a ziggurat
346443 | Zig:19   | Identified the +2 long sword of Virysho {freeze, rPois}
346444 | Zig:19   | Identified the ring "Luruuxu" {rC+ Str+3}
346448 | Zig:19   | Identified the ring "Qacezun" {rPois rCorr EV+5 Str-2
                  | Int-3}
346454 | Zig:19   | Identified the scarf of the Thirteen Wishes {rC+ rF+,
                  | Rampage rPois Slay-5 SInv}
346456 | Zig:19   | Identified the staff of Skirmishing {rElec Dex+3 Air}
346458 | Zig:19   | Identified the ring of Egho {Ice MP+9 Dex+3 Stlth+}
346467 | Zig:19   | Identified the +0 plate armour of the Bells {Dex+3}
346495 | Zig:19   | Identified the +3 spear "Ridwah" {drain, +Blink Fly Will+}
346539 | Zig:19   | Identified the +3 ring mail "Wuonuij" {Int+3}
346562 | Zig:19   | Identified the amulet "Zeoqeol" {Reflect Str+3 SH+5}
346776 | Zig:19   | Identified the +6 sling of Experimentation {flame, Will+
                  | rCorr}
346782 | Zig:19   | Identified the amulet "Seydd" {Acrobat ^Drain rC+ Int+2
                  | Dex+4}
347245 | Zig:20   | Entered Level 20 of a ziggurat
348039 | Zig:20   | Identified the ring of Yreloph {rPois Str+4}
348049 | Zig:20   | Identified the +0 plate armour of Jotios {Slay+2}
348082 | Zig:20   | Identified the +6 morningstar "Inaenue" {spect, *Noise
                  | Str+4 Dex+4}
348092 | Zig:20   | Identified the +6 ice dragon scales of Jisiust {rPois rF-
                  | rC++ Int+3}
348094 | Zig:20   | Identified the +7 plate armour of Mumblety Peg {Rampage
                  | +Blink}
348096 | Zig:20   | Identified the +8 spear "Wupiupt" {vamp, ^Fragile rPois
                  | Int+2 Dex+2}
348104 | Zig:20   | Identified the +1 bardiche of Feps {venom, *Corrode rElec
                  | Int+2}
348113 | Zig:20   | Identified the +4 flail of Precise Incision {flame, rElec}
348142 | Zig:20   | Identified the +1 robe of Hepliaklqana's Delight {Str+7
                  | Dex+6}
348230 | Zig:21   | Entered Level 21 of a ziggurat
348230 | Zig:21   | Noticed a dread lich
348230 | Zig:21   | Noticed a dread lich
348230 | Zig:21   | Noticed an ancient lich
348230 | Zig:21   | Noticed an ancient lich
348230 | Zig:21   | Noticed an ancient lich
348230 | Zig:21   | Noticed a dread lich
348230 | Zig:21   | Noticed a dread lich
348230 | Zig:21   | Noticed a dread lich
348230 | Zig:21   | Noticed a dread lich
348230 | Zig:21   | Noticed a dread lich
348230 | Zig:21   | Noticed an ancient lich
348230 | Zig:21   | Noticed a dread lich
348230 | Zig:21   | Noticed an ancient lich
348230 | Zig:21   | Noticed an ancient lich
348230 | Zig:21   | Noticed an ancient lich
348230 | Zig:21   | Noticed a dread lich
348230 | Zig:21   | Noticed an ancient lich
348230 | Zig:21   | Noticed an ancient lich
348230 | Zig:21   | Noticed an ancient lich
348230 | Zig:21   | Noticed a dread lich
348230 | Zig:21   | Noticed an ancient lich
348230 | Zig:21   | Noticed an ancient lich
348230 | Zig:21   | Noticed a dread lich
348230 | Zig:21   | Noticed a dread lich
348230 | Zig:21   | Noticed a dread lich
348230 | Zig:21   | Noticed an ancient lich
348230 | Zig:21   | Noticed a dread lich
348230 | Zig:21   | Noticed an ancient lich
348230 | Zig:21   | Noticed a dread lich
348230 | Zig:21   | Noticed an ancient lich
348230 | Zig:21   | Noticed an ancient lich
348230 | Zig:21   | Noticed a dread lich
348231 | Zig:21   | Killed a dread lich
348231 | Zig:21   | Killed an ancient lich
348231 | Zig:21   | Killed an ancient lich
348231 | Zig:21   | Killed a dread lich
348231 | Zig:21   | Killed a dread lich
348231 | Zig:21   | Killed a dread lich
348231 | Zig:21   | Killed a dread lich
348231 | Zig:21   | Killed an ancient lich
348231 | Zig:21   | Killed an ancient lich
348231 | Zig:21   | Killed a dread lich
348231 | Zig:21   | Killed a dread lich
348231 | Zig:21   | Killed an ancient lich
348231 | Zig:21   | Killed an ancient lich
348231 | Zig:21   | Killed an ancient lich
348231 | Zig:21   | Killed a dread lich
348231 | Zig:21   | Killed an ancient lich
348231 | Zig:21   | Killed a dread lich
348231 | Zig:21   | Killed an ancient lich
348231 | Zig:21   | Killed an ancient lich
348231 | Zig:21   | Killed a dread lich
348231 | Zig:21   | Killed a dread lich
348231 | Zig:21   | Killed an ancient lich
348232 | Zig:21   | Noticed a dread lich
348232 | Zig:21   | Noticed a dread lich
348232 | Zig:21   | Noticed an ancient lich
348232 | Zig:21   | Noticed a dread lich
348232 | Zig:21   | Noticed an ancient lich
348232 | Zig:21   | Noticed a dread lich
348233 | Zig:21   | Noticed a dread lich
348233 | Zig:21   | Noticed a dread lich
348233 | Zig:21   | Noticed an ancient lich
348233 | Zig:21   | Noticed an ancient lich
348233 | Zig:21   | Noticed a dread lich
348233 | Zig:21   | Killed an ancient lich
348234 | Zig:21   | Killed an ancient lich
348234 | Zig:21   | Killed a dread lich
348234 | Zig:21   | Killed a dread lich
348234 | Zig:21   | Killed an ancient lich
348234 | Zig:21   | Killed a dread lich
348234 | Zig:21   | Killed an ancient lich
348234 | Zig:21   | Killed a dread lich
348234 | Zig:21   | Killed a dread lich
348236 | Zig:21   | Noticed a dread lich
348236 | Zig:21   | Noticed an ancient lich
348236 | Zig:21   | Killed a dread lich
348237 | Zig:21   | Killed an ancient lich
348237 | Zig:21   | Killed an ancient lich
348237 | Zig:21   | Killed an ancient lich
348238 | Zig:21   | Noticed a dread lich
348238 | Zig:21   | Killed a dread lich
348238 | Zig:21   | Noticed an ancient lich
348239 | Zig:21   | Noticed a dread lich
348239 | Zig:21   | Noticed an ancient lich
348239 | Zig:21   | Noticed an ancient lich
348239 | Zig:21   | Noticed a dread lich
348239 | Zig:21   | Noticed an ancient lich
348240 | Zig:21   | Killed a dread lich
348240 | Zig:21   | Killed a dread lich
348240 | Zig:21   | Killed a dread lich
348240 | Zig:21   | Killed an ancient lich
348240 | Zig:21   | Killed an ancient lich
348240 | Zig:21   | Killed a dread lich
348240 | Zig:21   | Killed a dread lich
348240 | Zig:21   | Noticed a dread lich
348241 | Zig:21   | Noticed an ancient lich
348241 | Zig:21   | Noticed an ancient lich
348241 | Zig:21   | Noticed an ancient lich
348241 | Zig:21   | Noticed an ancient lich
348241 | Zig:21   | Noticed a dread lich
348241 | Zig:21   | Noticed a dread lich
348241 | Zig:21   | Noticed a dread lich
348241 | Zig:21   | Killed a dread lich
348241 | Zig:21   | Noticed a dread lich
348242 | Zig:21   | Noticed a dread lich
348242 | Zig:21   | Noticed an ancient lich
348242 | Zig:21   | Noticed an ancient lich
348242 | Zig:21   | Noticed a dread lich
348242 | Zig:21   | Noticed an ancient lich
348242 | Zig:21   | Noticed an ancient lich
348242 | Zig:21   | Killed an ancient lich
348243 | Zig:21   | Noticed a dread lich
348243 | Zig:21   | Killed an ancient lich
348243 | Zig:21   | Killed a dread lich
348243 | Zig:21   | Killed a dread lich
348243 | Zig:21   | Killed a dread lich
348243 | Zig:21   | Killed a dread lich
348243 | Zig:21   | Killed a dread lich
348243 | Zig:21   | Killed an ancient lich
348243 | Zig:21   | Killed an ancient lich
348243 | Zig:21   | Noticed an ancient lich
348243 | Zig:21   | Noticed a dread lich
348244 | Zig:21   | Noticed a dread lich
348244 | Zig:21   | Noticed a dread lich
348244 | Zig:21   | Noticed a dread lich
348244 | Zig:21   | Killed an ancient lich
348245 | Zig:21   | Noticed an ancient lich
348245 | Zig:21   | Noticed an ancient lich
348245 | Zig:21   | Noticed an ancient lich
348245 | Zig:21   | Noticed an ancient lich
348245 | Zig:21   | Noticed a dread lich
348245 | Zig:21   | Noticed an ancient lich
348245 | Zig:21   | Noticed an ancient lich
348245 | Zig:21   | Noticed a dread lich
348245 | Zig:21   | Noticed an ancient lich
348245 | Zig:21   | Noticed an ancient lich
348245 | Zig:21   | Noticed a dread lich
348246 | Zig:21   | Noticed an ancient lich
348246 | Zig:21   | Killed an ancient lich
348246 | Zig:21   | Killed an ancient lich
348246 | Zig:21   | Killed a dread lich
348246 | Zig:21   | Killed an ancient lich
348246 | Zig:21   | Killed a dread lich
348246 | Zig:21   | Killed a dread lich
348246 | Zig:21   | Killed an ancient lich
348246 | Zig:21   | Killed a dread lich
348246 | Zig:21   | Killed an ancient lich
348246 | Zig:21   | Killed an ancient lich
348246 | Zig:21   | Killed a dread lich
348246 | Zig:21   | Killed a dread lich
348246 | Zig:21   | Noticed a dread lich
348247 | Zig:21   | Noticed a dread lich
348248 | Zig:21   | Noticed an ancient lich
348248 | Zig:21   | Noticed a dread lich
348248 | Zig:21   | Noticed an ancient lich
348248 | Zig:21   | Noticed an ancient lich
348248 | Zig:21   | Noticed a dread lich
348248 | Zig:21   | Noticed a dread lich
348248 | Zig:21   | Noticed a dread lich
348248 | Zig:21   | Noticed a dread lich
348248 | Zig:21   | Killed an ancient lich
348248 | Zig:21   | Noticed a dread lich
348248 | Zig:21   | Killed a dread lich
348248 | Zig:21   | Killed an ancient lich
348249 | Zig:21   | Noticed an ancient lich
348249 | Zig:21   | Noticed an ancient lich
348249 | Zig:21   | Killed a dread lich
348249 | Zig:21   | Killed an ancient lich
348249 | Zig:21   | Killed an ancient lich
348249 | Zig:21   | Killed a dread lich
348249 | Zig:21   | Killed a dread lich
348249 | Zig:21   | Killed an ancient lich
348249 | Zig:21   | Killed a dread lich
348249 | Zig:21   | Killed a dread lich
348249 | Zig:21   | Killed an ancient lich
348249 | Zig:21   | Killed a dread lich
348249 | Zig:21   | Killed a dread lich
348249 | Zig:21   | Killed a dread lich
348249 | Zig:21   | Killed an ancient lich
348249 | Zig:21   | Noticed an ancient lich
348249 | Zig:21   | Noticed a dread lich
348250 | Zig:21   | Noticed an ancient lich
348250 | Zig:21   | Noticed an ancient lich
348250 | Zig:21   | Noticed a dread lich
348250 | Zig:21   | Noticed an ancient lich
348251 | Zig:21   | Noticed a dread lich
348251 | Zig:21   | Noticed an ancient lich
348251 | Zig:21   | Noticed a dread lich
348251 | Zig:21   | Noticed a dread lich
348251 | Zig:21   | Noticed a dread lich
348252 | Zig:21   | Noticed a dread lich
348252 | Zig:21   | Noticed an ancient lich
348252 | Zig:21   | Killed an ancient lich
348252 | Zig:21   | Killed a dread lich
348252 | Zig:21   | Killed an ancient lich
348252 | Zig:21   | Killed an ancient lich
348252 | Zig:21   | Killed an ancient lich
348252 | Zig:21   | Killed a dread lich
348252 | Zig:21   | Killed a dread lich
348252 | Zig:21   | Killed an ancient lich
348252 | Zig:21   | Killed an ancient lich
348252 | Zig:21   | Killed a dread lich
348252 | Zig:21   | Killed an ancient lich
348252 | Zig:21   | Noticed an ancient lich
348252 | Zig:21   | Killed an ancient lich
348252 | Zig:21   | Killed an ancient lich
348252 | Zig:21   | Killed an ancient lich
348253 | Zig:21   | Noticed an ancient lich
348253 | Zig:21   | Noticed an ancient lich
348253 | Zig:21   | Noticed a dread lich
348253 | Zig:21   | Noticed an ancient lich
348253 | Zig:21   | Noticed a dread lich
348253 | Zig:21   | Noticed an ancient lich
348254 | Zig:21   | Noticed an ancient lich
348254 | Zig:21   | Killed a dread lich
348254 | Zig:21   | Killed an ancient lich
348254 | Zig:21   | Killed a dread lich
348254 | Zig:21   | Killed an ancient lich
348254 | Zig:21   | Killed an ancient lich
348254 | Zig:21   | Killed a dread lich
348254 | Zig:21   | Killed a dread lich
348254 | Zig:21   | Killed a dread lich
348254 | Zig:21   | Killed a dread lich
348255 | Zig:21   | Noticed a dread lich
348255 | Zig:21   | Noticed an ancient lich
348255 | Zig:21   | Noticed an ancient lich
348255 | Zig:21   | Killed an ancient lich
348256 | Zig:21   | Noticed a dread lich
348256 | Zig:21   | Noticed an ancient lich
348256 | Zig:21   | Noticed a dread lich
348256 | Zig:21   | Noticed an ancient lich
348256 | Zig:21   | Noticed a dread lich
348257 | Zig:21   | Killed an ancient lich
348257 | Zig:21   | Killed a dread lich
348257 | Zig:21   | Killed an ancient lich
348257 | Zig:21   | Killed an ancient lich
348257 | Zig:21   | Killed an ancient lich
348257 | Zig:21   | Killed a dread lich
348257 | Zig:21   | Killed an ancient lich
348257 | Zig:21   | Killed a dread lich
348257 | Zig:21   | Killed an ancient lich
348257 | Zig:21   | Killed a dread lich
348257 | Zig:21   | Killed a dread lich
348257 | Zig:21   | Killed an ancient lich
348257 | Zig:21   | Killed an ancient lich
348257 | Zig:21   | Killed an ancient lich
348257 | Zig:21   | Killed a dread lich
348258 | Zig:21   | Noticed an ancient lich
348258 | Zig:21   | Noticed an ancient lich
348258 | Zig:21   | Noticed a dread lich
348258 | Zig:21   | Noticed a dread lich
348258 | Zig:21   | Noticed a dread lich
348258 | Zig:21   | Noticed a dread lich
348259 | Zig:21   | Noticed a dread lich
348259 | Zig:21   | Noticed a dread lich
348259 | Zig:21   | Noticed a dread lich
348259 | Zig:21   | Noticed a dread lich
348259 | Zig:21   | Noticed a dread lich
348260 | Zig:21   | Killed an ancient lich
348260 | Zig:21   | Killed a dread lich
348260 | Zig:21   | Killed a dread lich
348260 | Zig:21   | Killed a dread lich
348260 | Zig:21   | Killed a dread lich
348260 | Zig:21   | Killed a dread lich
348260 | Zig:21   | Killed an ancient lich
348260 | Zig:21   | Killed a dread lich
348260 | Zig:21   | Killed an ancient lich
348260 | Zig:21   | Noticed an ancient lich
348260 | Zig:21   | Killed a dread lich
348261 | Zig:21   | Noticed an ancient lich
348261 | Zig:21   | Noticed a dread lich
348261 | Zig:21   | Noticed a dread lich
348261 | Zig:21   | Noticed an ancient lich
348261 | Zig:21   | Noticed a dread lich
348262 | Zig:21   | Noticed a dread lich
348262 | Zig:21   | Noticed a dread lich
348262 | Zig:21   | Noticed an ancient lich
348262 | Zig:21   | Killed an ancient lich
348263 | Zig:21   | Noticed a dread lich
348263 | Zig:21   | Killed a dread lich
348263 | Zig:21   | Killed a dread lich
348263 | Zig:21   | Killed an ancient lich
348263 | Zig:21   | Killed a dread lich
348263 | Zig:21   | Killed an ancient lich
348263 | Zig:21   | Killed a dread lich
348263 | Zig:21   | Killed an ancient lich
348263 | Zig:21   | Killed a dread lich
348263 | Zig:21   | Killed a dread lich
348263 | Zig:21   | Killed a dread lich
348264 | Zig:21   | Noticed a dread lich
348264 | Zig:21   | Noticed an ancient lich
348264 | Zig:21   | Noticed an ancient lich
348264 | Zig:21   | Noticed a dread lich
348265 | Zig:21   | Noticed a dread lich
348265 | Zig:21   | Noticed a dread lich
348266 | Zig:21   | Killed an ancient lich
348266 | Zig:21   | Killed a dread lich
348266 | Zig:21   | Killed an ancient lich
348266 | Zig:21   | Killed an ancient lich
348266 | Zig:21   | Killed an ancient lich
348266 | Zig:21   | Killed a dread lich
348266 | Zig:21   | Killed a dread lich
348266 | Zig:21   | Killed a dread lich
348266 | Zig:21   | Killed a dread lich
348266 | Zig:21   | Killed a dread lich
348266 | Zig:21   | Killed a dread lich
348269 | Zig:21   | Killed a dread lich
348359 | Zig:21   | Identified the +4 quick blade of Odegig {venom, rN+ Stlth+}
348360 | Zig:21   | Identified the ring "Kauhajac" {rPois rC+ Will+ SInv
                  | Stlth+}
348371 | Zig:21   | Identified the +4 halberd "Beetle's Peril" {distort, Fly
                  | rPois rC- Str+4}
348372 | Zig:21   | Identified the staff of the Illusory Villages {rPois rC+
                  | Hexes Alchemy}
348380 | Zig:21   | Identified the +6 rapier of the Warrior-Mage {vamp, rElec
                  | rF+}
348386 | Zig:21   | Identified the +2 scimitar "Ithrinim" {distort, rN+}
348395 | Zig:21   | Identified the +3 leather armour of Sezurucla {rPois Int+5}
348429 | Zig:21   | Identified the +10 sling of Mastery {freeze, Will++}
348471 | Zig:21   | Identified the amulet "Qutoraca" {RegenMP rC+ Str+2 Int+3}
348481 | Zig:21   | Identified the +10 quarterstaff of Atronit {freeze, rPois
                  | rC+}
349108 | Zig:21   | Identified the ring "Huvu" {rElec AC+4}
349135 | Zig:22   | Entered Level 22 of a ziggurat
349135 | Zig:22   | Noticed Heobaj the pandemonium lord
349135 | Zig:22   | Noticed Poivyi the pandemonium lord
349135 | Zig:22   | Noticed Ihuitz the pandemonium lord
349135 | Zig:22   | Noticed Zuxzet the pandemonium lord
349135 | Zig:22   | Noticed Jovokh the pandemonium lord
349135 | Zig:22   | Noticed Veast the pandemonium lord
349135 | Zig:22   | Noticed Fobutweokk the pandemonium lord
349135 | Zig:22   | Noticed Qeufamuo the pandemonium lord
349135 | Zig:22   | Noticed Iroeras the pandemonium lord
349135 | Zig:22   | Noticed Yfif Ygy the pandemonium lord
349135 | Zig:22   | Noticed Cuclesif the pandemonium lord
349135 | Zig:22   | Noticed Lilem the pandemonium lord
349135 | Zig:22   | Noticed Fesa Arall the pandemonium lord
349135 | Zig:22   | Noticed Remiw the pandemonium lord
349135 | Zig:22   | Noticed Plog the pandemonium lord
349135 | Zig:22   | Noticed Louckiga the pandemonium lord
349135 | Zig:22   | Noticed Imeono the pandemonium lord
349135 | Zig:22   | Noticed Latwig Coqia the pandemonium lord
349135 | Zig:22   | Noticed Utuej the pandemonium lord
349135 | Zig:22   | Noticed Sotiwann the pandemonium lord
349135 | Zig:22   | Noticed Niarrogy the pandemonium lord
349135 | Zig:22   | Noticed Lagall the pandemonium lord
349135 | Zig:22   | Noticed Enyaliw the pandemonium lord
349135 | Zig:22   | Noticed Plog the pandemonium lord
349135 | Zig:22   | Noticed Izaiskiec the pandemonium lord
349135 | Zig:22   | Noticed Lohuc the pandemonium lord
349135 | Zig:22   | Noticed Emaamucw the pandemonium lord
349135 | Zig:22   | Noticed Zifehuf the pandemonium lord
349135 | Zig:22   | Noticed Nelann the pandemonium lord
349135 | Zig:22   | Noticed Neorir the pandemonium lord
349135 | Zig:22   | Noticed Ryrul the pandemonium lord
349135 | Zig:22   | Noticed Sebyi the pandemonium lord
349135 | Zig:22   | Noticed Xoichex the pandemonium lord
349135 | Zig:22   | Noticed Ikee the pandemonium lord
349135 | Zig:22   | Noticed Zair Kesm the pandemonium lord
349135 | Zig:22   | Noticed Vycubomi the pandemonium lord
349135 | Zig:22   | Noticed Zuaqoram the pandemonium lord
349135 | Zig:22   | Noticed Foor the pandemonium lord
349135 | Zig:22   | Noticed Sunill the pandemonium lord
349135 | Zig:22   | Noticed Guqyt the pandemonium lord
349135 | Zig:22   | Noticed Noecsei the pandemonium lord
349135 | Zig:22   | Noticed Teyhar the pandemonium lord
349135 | Zig:22   | Noticed Benintao the pandemonium lord
349135 | Zig:22   | Noticed Ilemul the pandemonium lord
349135 | Zig:22   | Noticed Icviniz the pandemonium lord
349135 | Zig:22   | Noticed Veolotount the pandemonium lord
349135 | Zig:22   | Noticed Cikaigg the pandemonium lord
349135 | Zig:22   | Noticed Jotev the pandemonium lord
349135 | Zig:22   | Noticed Tugolomul the pandemonium lord
349135 | Zig:22   | Noticed Xupluligg the pandemonium lord
349135 | Zig:22   | Noticed Qiekhlal the pandemonium lord
349135 | Zig:22   | Noticed Gumita the pandemonium lord
349137 | Zig:22   | Killed Imeono the pandemonium lord
349137 | Zig:22   | Killed Iroeras the pandemonium lord
349137 | Zig:22   | Killed Lagall the pandemonium lord
349137 | Zig:22   | Killed Yfif Ygy the pandemonium lord
349137 | Zig:22   | Killed Louckiga the pandemonium lord
349137 | Zig:22   | Killed Cuclesif the pandemonium lord
349137 | Zig:22   | Killed Plog the pandemonium lord
349137 | Zig:22   | Killed Lilem the pandemonium lord
349137 | Zig:22   | Killed Niarrogy the pandemonium lord
349137 | Zig:22   | Killed Remiw the pandemonium lord
349137 | Zig:22   | Killed Utuej the pandemonium lord
349137 | Zig:22   | Killed Sotiwann the pandemonium lord
349137 | Zig:22   | Killed Emaamucw the pandemonium lord
349137 | Zig:22   | Killed Zair Kesm the pandemonium lord
349137 | Zig:22   | Killed Neorir the pandemonium lord
349137 | Zig:22   | Killed Foor the pandemonium lord
349137 | Zig:22   | Killed Teyhar the pandemonium lord
349137 | Zig:22   | Killed Benintao the pandemonium lord
349137 | Zig:22   | Killed Ilemul the pandemonium lord
349137 | Zig:22   | Killed Gumita the pandemonium lord
349137 | Zig:22   | Killed Veolotount the pandemonium lord
349137 | Zig:22   | Killed Nelann the pandemonium lord
349137 | Zig:22   | Killed Vycubomi the pandemonium lord
349137 | Zig:22   | Killed Zifehuf the pandemonium lord
349137 | Zig:22   | Killed Jotev the pandemonium lord
349137 | Zig:22   | Killed Ryrul the pandemonium lord
349137 | Zig:22   | Killed Zanuaf Xili the pandemonium lord
349137 | Zig:22   | Killed Lohuc the pandemonium lord
349137 | Zig:22   | Noticed Uhannogh the pandemonium lord
349137 | Zig:22   | Noticed Feulaew the pandemonium lord
349137 | Zig:22   | Noticed Icoo the pandemonium lord
349138 | Zig:22   | Noticed Bokeixoj the pandemonium lord
349138 | Zig:22   | Killed Zuaqoram the pandemonium lord
349138 | Zig:22   | Killed Izaiskiec the pandemonium lord
349138 | Zig:22   | Killed Qiekhlal the pandemonium lord
349138 | Zig:22   | Killed Ikee the pandemonium lord
349138 | Zig:22   | Killed Jovokh the pandemonium lord
349138 | Zig:22   | Killed Feulaew the pandemonium lord
349138 | Zig:22   | Killed Ihuitz the pandemonium lord
349138 | Zig:22   | Killed Poivyi the pandemonium lord
349138 | Zig:22   | Noticed Ashusch the pandemonium lord
349139 | Zig:22   | Noticed Elebb the pandemonium lord
349139 | Zig:22   | Noticed Dimof the pandemonium lord
349139 | Zig:22   | Noticed Wust the pandemonium lord
349139 | Zig:22   | Killed Xupluligg the pandemonium lord
349139 | Zig:22   | Killed Qeufamuo the pandemonium lord
349139 | Zig:22   | Noticed Foty the pandemonium lord
349140 | Zig:22   | Noticed Faick the pandemonium lord
349140 | Zig:22   | Noticed Ydoarr the pandemonium lord
349140 | Zig:22   | Noticed Lyfigin the pandemonium lord
349140 | Zig:22   | Noticed Seg Xont the pandemonium lord
349140 | Zig:22   | Noticed Ubut the pandemonium lord
349140 | Zig:22   | Noticed Deja the pandemonium lord
349140 | Zig:22   | Noticed Qume the pandemonium lord
349141 | Zig:22   | Noticed Dosopevu the pandemonium lord
349141 | Zig:22   | Noticed Ybolamom the pandemonium lord
349141 | Zig:22   | Noticed Mec Pau the pandemonium lord
349141 | Zig:22   | Noticed Roezigit the pandemonium lord
349142 | Zig:22   | Killed Fesa Arall the pandemonium lord
349142 | Zig:22   | Killed Icviniz the pandemonium lord
349142 | Zig:22   | Killed Tugolomul the pandemonium lord
349142 | Zig:22   | Killed Qume the pandemonium lord
349142 | Zig:22   | Killed Veast the pandemonium lord
349142 | Zig:22   | Killed Ubut the pandemonium lord
349142 | Zig:22   | Killed Elebb the pandemonium lord
349142 | Zig:22   | Killed Foty the pandemonium lord
349142 | Zig:22   | Killed Wust the pandemonium lord
349142 | Zig:22   | Killed Seg Xont the pandemonium lord
349142 | Zig:22   | Killed Cisiux the pandemonium lord
349142 | Zig:22   | Killed Sunill the pandemonium lord
349142 | Zig:22   | Killed Heobaj the pandemonium lord
349142 | Zig:22   | Killed Efreguk the pandemonium lord
349143 | Zig:22   | Noticed Anoss the pandemonium lord
349143 | Zig:22   | Killed Xoichex the pandemonium lord
349143 | Zig:22   | Killed Zuxzet the pandemonium lord
349143 | Zig:22   | Killed Enyaliw the pandemonium lord
349143 | Zig:22   | Killed Sebyi the pandemonium lord
349143 | Zig:22   | Killed Noecsei the pandemonium lord
349143 | Zig:22   | Killed Ybolamom the pandemonium lord
349143 | Zig:22   | Killed Plog the pandemonium lord
349143 | Zig:22   | Killed Bokeixoj the pandemonium lord
349143 | Zig:22   | Noticed Adwofekk the pandemonium lord
349144 | Zig:22   | Noticed Amism the pandemonium lord
349144 | Zig:22   | Killed Ydoarr the pandemonium lord
349145 | Zig:22   | Noticed Omeem the pandemonium lord
349145 | Zig:22   | Noticed Novucka the pandemonium lord
349145 | Zig:22   | Noticed Zoentatt the pandemonium lord
349145 | Zig:22   | Noticed Hurysh the pandemonium lord
349145 | Zig:22   | Killed Amism the pandemonium lord
349145 | Zig:22   | Killed Mec Pau the pandemonium lord
349145 | Zig:22   | Killed Dimof the pandemonium lord
349146 | Zig:22   | Killed Dosopevu the pandemonium lord
349146 | Zig:22   | Killed Latwig Coqia the pandemonium lord
349146 | Zig:22   | Killed Faick the pandemonium lord
349146 | Zig:22   | Killed Cikaigg the pandemonium lord
349146 | Zig:22   | Killed Ashusch the pandemonium lord
349146 | Zig:22   | Noticed Welusseh the pandemonium lord
349147 | Zig:22   | Noticed Xonniq the pandemonium lord
349147 | Zig:22   | Noticed Jyserui the pandemonium lord
349147 | Zig:22   | Noticed Opakexis the pandemonium lord
349147 | Zig:22   | Noticed Irreqysi the pandemonium lord
349147 | Zig:22   | Noticed Apnoom the pandemonium lord
349147 | Zig:22   | Killed Icoo the pandemonium lord
349148 | Zig:22   | Noticed Aleist the pandemonium lord
349148 | Zig:22   | Noticed Kiof the pandemonium lord
349149 | Zig:22   | Noticed Hirerun the pandemonium lord
349149 | Zig:22   | Noticed Ileodikh the pandemonium lord
349150 | Zig:22   | Killed Roezigit the pandemonium lord
349150 | Zig:22   | Killed Deja the pandemonium lord
349150 | Zig:22   | Killed Omeem the pandemonium lord
349151 | Zig:22   | Killed Ileodikh the pandemonium lord
349151 | Zig:22   | Noticed Kaaj Tefi the pandemonium lord
349151 | Zig:22   | Noticed Rilu the pandemonium lord
349152 | Zig:22   | Killed Anoss the pandemonium lord
349152 | Zig:22   | Killed Novucka the pandemonium lord
349152 | Zig:22   | Killed Adwofekk the pandemonium lord
349152 | Zig:22   | Killed Jyserui the pandemonium lord
349152 | Zig:22   | Noticed Vonlodd the pandemonium lord
349152 | Zig:22   | Noticed Pudaip Buig the pandemonium lord
349153 | Zig:22   | Noticed Xoseh the pandemonium lord
349154 | Zig:22   | Noticed Niydoju the pandemonium lord
349154 | Zig:22   | Noticed Tahuen the pandemonium lord
349154 | Zig:22   | Noticed Yskoaf the pandemonium lord
349155 | Zig:22   | Noticed Xaism the pandemonium lord
349155 | Zig:22   | Noticed Rihorez the pandemonium lord
349155 | Zig:22   | Noticed Ydghaxib the pandemonium lord
349155 | Zig:22   | Noticed Yfyskede the pandemonium lord
349155 | Zig:22   | Noticed Inyeghal the pandemonium lord
349155 | Zig:22   | Noticed Piafar the pandemonium lord
349155 | Zig:22   | Noticed Lusewn the pandemonium lord
349155 | Zig:22   | Noticed Doubiebb the pandemonium lord
349155 | Zig:22   | Noticed Cykaqysa the pandemonium lord
349156 | Zig:22   | Noticed Gearean the pandemonium lord
349156 | Zig:22   | Noticed Rukaip the pandemonium lord
349157 | Zig:22   | Noticed Movurun the pandemonium lord
349157 | Zig:22   | Killed Aleist the pandemonium lord
349158 | Zig:22   | Killed Uhannogh the pandemonium lord
349158 | Zig:22   | Killed Apnoom the pandemonium lord
349158 | Zig:22   | Killed Guqyt the pandemonium lord
349158 | Zig:22   | Noticed Zunto the pandemonium lord
349158 | Zig:22   | Noticed Wotelett the pandemonium lord
349160 | Zig:22   | Noticed Maeh the pandemonium lord
349160 | Zig:22   | Killed Zoentatt the pandemonium lord
349160 | Zig:22   | Killed Rilu the pandemonium lord
349160 | Zig:22   | Killed Fobutweokk the pandemonium lord
349160 | Zig:22   | Killed Rihorez the pandemonium lord
349160 | Zig:22   | Killed Movurun the pandemonium lord
349160 | Zig:22   | Killed Lusewn the pandemonium lord
349160 | Zig:22   | Noticed Vories the pandemonium lord
349161 | Zig:22   | Killed Vonlodd the pandemonium lord
349161 | Zig:22   | Killed Opakexis the pandemonium lord
349161 | Zig:22   | Killed Cykaqysa the pandemonium lord
349161 | Zig:22   | Noticed Navooram the pandemonium lord
349162 | Zig:22   | Noticed Tawoynk the pandemonium lord
349162 | Zig:22   | Noticed Caexky the pandemonium lord
349163 | Zig:22   | Noticed Rarypsi the pandemonium lord
349163 | Zig:22   | Noticed Myn Tegi the pandemonium lord
349163 | Zig:22   | Noticed Sabluiz the pandemonium lord
349163 | Zig:22   | Noticed Moatoqyss the pandemonium lord
349163 | Zig:22   | Noticed Ezylix the pandemonium lord
349163 | Zig:22   | Noticed Qitus the pandemonium lord
349163 | Zig:22   | Noticed Kobeg Fei the pandemonium lord
349164 | Zig:22   | Noticed Gela the pandemonium lord
349164 | Zig:22   | Killed Piafar the pandemonium lord
349164 | Zig:22   | Noticed Luvocs the pandemonium lord
349164 | Zig:22   | Noticed Lalem the pandemonium lord
349165 | Zig:22   | Noticed Neobliw the pandemonium lord
349165 | Zig:22   | Killed Kiof the pandemonium lord
349165 | Zig:22   | Killed Welusseh the pandemonium lord
349166 | Zig:22   | Noticed Ydal the pandemonium lord
349166 | Zig:22   | Killed Inyeghal the pandemonium lord
349166 | Zig:22   | Noticed Xoto the pandemonium lord
349166 | Zig:22   | Noticed Yrolaof the pandemonium lord
349166 | Zig:22   | Noticed Miathev the pandemonium lord
349167 | Zig:22   | Noticed Kiruosara the pandemonium lord
349167 | Zig:22   | Noticed Guntalliq the pandemonium lord
349168 | Zig:22   | Noticed Epaer the pandemonium lord
349170 | Zig:22   | Noticed Viweinank the pandemonium lord
349170 | Zig:22   | Noticed Sileyd the pandemonium lord
349172 | Zig:22   | Killed Niydoju the pandemonium lord
349174 | Zig:22   | Killed Navooram the pandemonium lord
349176 | Zig:22   | Noticed Elluju the pandemonium lord
349176 | Zig:22   | Killed Yskoaf the pandemonium lord
349176 | Zig:22   | Killed Lyfigin the pandemonium lord
349176 | Zig:22   | Killed Xoseh the pandemonium lord
349176 | Zig:22   | Killed Rukaip the pandemonium lord
349176 | Zig:22   | Killed Xaism the pandemonium lord
349176 | Zig:22   | Killed Sileyd the pandemonium lord
349176 | Zig:22   | Killed Yfyskede the pandemonium lord
349176 | Zig:22   | Killed Tawoynk the pandemonium lord
349176 | Zig:22   | Killed Vories the pandemonium lord
349176 | Zig:22   | Noticed Onaciok the pandemonium lord
349176 | Zig:22   | Noticed Equenieh the pandemonium lord
349178 | Zig:22   | Noticed Doseamorr the pandemonium lord
349178 | Zig:22   | Killed Irreqysi the pandemonium lord
349178 | Zig:22   | Killed Tahuen the pandemonium lord
349178 | Zig:22   | Killed Caexky the pandemonium lord
349178 | Zig:22   | Killed Doubiebb the pandemonium lord
349178 | Zig:22   | Killed Hurysh the pandemonium lord
349178 | Zig:22   | Killed Qitus the pandemonium lord
349178 | Zig:22   | Killed Luvocs the pandemonium lord
349178 | Zig:22   | Killed Guntalliq the pandemonium lord
349178 | Zig:22   | Killed Maeh the pandemonium lord
349178 | Zig:22   | Killed Moatoqyss the pandemonium lord
349178 | Zig:22   | Noticed Jolaore the pandemonium lord
349179 | Zig:22   | Noticed Muazuytz the pandemonium lord
349179 | Zig:22   | Killed Gela the pandemonium lord
349179 | Zig:22   | Killed Miathev the pandemonium lord
349179 | Zig:22   | Killed Kobeg Fei the pandemonium lord
349179 | Zig:22   | Killed Onaciok the pandemonium lord
349179 | Zig:22   | Killed Equenieh the pandemonium lord
349179 | Zig:22   | Killed Wotelett the pandemonium lord
349179 | Zig:22   | Killed Elluju the pandemonium lord
349179 | Zig:22   | Killed Pudaip Buig the pandemonium lord
349179 | Zig:22   | Killed Xonniq the pandemonium lord
349179 | Zig:22   | Killed Dysorph the pandemonium lord
349179 | Zig:22   | Noticed Kappel the pandemonium lord
349180 | Zig:22   | Killed Ydal the pandemonium lord
349180 | Zig:22   | Killed Viweinank the pandemonium lord
349180 | Zig:22   | Killed Zunto the pandemonium lord
349180 | Zig:22   | Killed Voevecy the pandemonium lord
349181 | Zig:22   | Killed Epaer the pandemonium lord
349181 | Zig:22   | Killed Yrolaof the pandemonium lord
349181 | Zig:22   | Killed Gearean the pandemonium lord
349181 | Zig:22   | Killed Lalem the pandemonium lord
349181 | Zig:22   | Killed Rarypsi the pandemonium lord
349181 | Zig:22   | Killed Ydghaxib the pandemonium lord
349181 | Zig:22   | Noticed Henor the pandemonium lord
349181 | Zig:22   | Noticed Kuschokey the pandemonium lord
349181 | Zig:22   | Noticed Ekuyg the pandemonium lord
349181 | Zig:22   | Noticed Vucim the pandemonium lord
349181 | Zig:22   | Killed Kaaj Tefi the pandemonium lord
349182 | Zig:22   | Killed Sabluiz the pandemonium lord
349182 | Zig:22   | Killed Xoto the pandemonium lord
349182 | Zig:22   | Killed Muazuytz the pandemonium lord
349182 | Zig:22   | Killed Neobliw the pandemonium lord
349182 | Zig:22   | Killed Hirerun the pandemonium lord
349183 | Zig:22   | Killed Doseamorr the pandemonium lord
349183 | Zig:22   | Killed Jolaore the pandemonium lord
349183 | Zig:22   | Noticed Futiocera the pandemonium lord
349183 | Zig:22   | Noticed Kacunt the pandemonium lord
349184 | Zig:22   | Noticed Aclius the pandemonium lord
349184 | Zig:22   | Noticed Fuguapt the pandemonium lord
349184 | Zig:22   | Noticed Engoedet the pandemonium lord
349184 | Zig:22   | Noticed Sejuc the pandemonium lord
349184 | Zig:22   | Noticed Aklirrih the pandemonium lord
349185 | Zig:22   | Killed Myn Tegi the pandemonium lord
349186 | Zig:22   | Killed Kuschokey the pandemonium lord
349186 | Zig:22   | Killed Kappel the pandemonium lord
349186 | Zig:22   | Killed Vucim the pandemonium lord
349186 | Zig:22   | Killed Aklirrih the pandemonium lord
349186 | Zig:22   | Killed Kiruosara the pandemonium lord
349186 | Zig:22   | Noticed Waywk the pandemonium lord
349187 | Zig:22   | Killed Fuguapt the pandemonium lord
349187 | Zig:22   | Killed Kacunt the pandemonium lord
349187 | Zig:22   | Killed Henor the pandemonium lord
349187 | Zig:22   | Noticed Nesimipn the pandemonium lord
349187 | Zig:22   | Noticed Jawnekk the pandemonium lord
349187 | Zig:22   | Noticed Oxky the pandemonium lord
349188 | Zig:22   | Noticed Kudd the pandemonium lord
349188 | Zig:22   | Noticed Kuwoih the pandemonium lord
349188 | Zig:22   | Noticed Eporaoqa the pandemonium lord
349190 | Zig:22   | Noticed Yzyama the pandemonium lord
349190 | Zig:22   | Noticed Liluik the pandemonium lord
349190 | Zig:22   | Killed Ekuyg the pandemonium lord
349190 | Zig:22   | Killed Aclius the pandemonium lord
349190 | Zig:22   | Killed Sejuc the pandemonium lord
349190 | Zig:22   | Killed Ezylix the pandemonium lord
349190 | Zig:22   | Noticed Tuag the pandemonium lord
349190 | Zig:22   | Noticed Beiwid the pandemonium lord
349190 | Zig:22   | Noticed Ejin the pandemonium lord
349191 | Zig:22   | Noticed Atzal the pandemonium lord
349191 | Zig:22   | Noticed Doca the pandemonium lord
349191 | Zig:22   | Noticed Qycoken the pandemonium lord
349191 | Zig:22   | Noticed Asofousm the pandemonium lord
349192 | Zig:22   | Noticed Hiokkopn the pandemonium lord
349192 | Zig:22   | Noticed Erokez the pandemonium lord
349192 | Zig:22   | Noticed Zuewnatapu the pandemonium lord
349192 | Zig:22   | Noticed Ciod the pandemonium lord
349192 | Zig:22   | Noticed Upadiegh the pandemonium lord
349193 | Zig:22   | Noticed Raong the pandemonium lord
349193 | Zig:22   | Noticed Ihogyfas the pandemonium lord
349193 | Zig:22   | Killed Yzyama the pandemonium lord
349193 | Zig:22   | Killed Eporaoqa the pandemonium lord
349193 | Zig:22   | Killed Futiocera the pandemonium lord
349193 | Zig:22   | Noticed Bugyig the pandemonium lord
349194 | Zig:22   | Noticed Jaorydocw the pandemonium lord
349194 | Zig:22   | Killed Engoedet the pandemonium lord
349194 | Zig:22   | Killed Liluik the pandemonium lord
349194 | Zig:22   | Killed Beiwid the pandemonium lord
349194 | Zig:22   | Killed Jawnekk the pandemonium lord
349194 | Zig:22   | Noticed Jumewnat the pandemonium lord
349195 | Zig:22   | Noticed Qenuxatigo the pandemonium lord
349195 | Zig:22   | Noticed Emoregirch the pandemonium lord
349195 | Zig:22   | Noticed Ecifeun the pandemonium lord
349195 | Zig:22   | Killed Erokez the pandemonium lord
349196 | Zig:22   | Noticed Fischufot the pandemonium lord
349196 | Zig:22   | Killed Kuwoih the pandemonium lord
349196 | Zig:22   | Noticed Hoobykia the pandemonium lord
349197 | Zig:22   | Noticed Joeror Uddeh the pandemonium lord
349197 | Zig:22   | Killed Waywk the pandemonium lord
349197 | Zig:22   | Killed Nesimipn the pandemonium lord
349197 | Zig:22   | Noticed Tyf Hana the pandemonium lord
349197 | Zig:22   | Killed Tuag the pandemonium lord
349198 | Zig:22   | Noticed Jiprarir the pandemonium lord
349198 | Zig:22   | Noticed Jopn the pandemonium lord
349199 | Zig:22   | Noticed Mautsatt the pandemonium lord
349199 | Zig:22   | Noticed Sucwudej the pandemonium lord
349199 | Zig:22   | Noticed Byllapn the pandemonium lord
349199 | Zig:22   | Noticed Pimyot the pandemonium lord
349199 | Zig:22   | Noticed Poanoaca the pandemonium lord
349200 | Zig:22   | Killed Qenuxatigo the pandemonium lord
349200 | Zig:22   | Killed Raong the pandemonium lord
349200 | Zig:22   | Killed Zuewnatapu the pandemonium lord
349200 | Zig:22   | Killed Kudd the pandemonium lord
349200 | Zig:22   | Killed Qycoken the pandemonium lord
349200 | Zig:22   | Noticed Imippule the pandemonium lord
349200 | Zig:22   | Noticed Gov Name the pandemonium lord
349201 | Zig:22   | Noticed Kufebu the pandemonium lord
349201 | Zig:22   | Noticed Rulic the pandemonium lord
349201 | Zig:22   | Noticed Meghuamu the pandemonium lord
349202 | Zig:22   | Killed Upadiegh the pandemonium lord
349203 | Zig:22   | Killed Oxky the pandemonium lord
349203 | Zig:22   | Killed Bugyig the pandemonium lord
349203 | Zig:22   | Killed Hiokkopn the pandemonium lord
349203 | Zig:22   | Killed Doca the pandemonium lord
349203 | Zig:22   | Killed Mautsatt the pandemonium lord
349204 | Zig:22   | Killed Fischufot the pandemonium lord
349204 | Zig:22   | Noticed Ycoiqos the pandemonium lord
349205 | Zig:22   | Killed Ciod the pandemonium lord
349205 | Zig:22   | Killed Ecifeun the pandemonium lord
349205 | Zig:22   | Killed Jaorydocw the pandemonium lord
349205 | Zig:22   | Killed Sucwudej the pandemonium lord
349205 | Zig:22   | Noticed Reaschav the pandemonium lord
349205 | Zig:22   | Noticed Mifro the pandemonium lord
349206 | Zig:22   | Noticed Somobexu the pandemonium lord
349206 | Zig:22   | Noticed Piung the pandemonium lord
349206 | Zig:22   | Noticed Aloul the pandemonium lord
349206 | Zig:22   | Killed Tyf Hana the pandemonium lord
349206 | Zig:22   | Noticed Nyedd the pandemonium lord
349207 | Zig:22   | Killed Ejin the pandemonium lord
349207 | Zig:22   | Killed Rulic the pandemonium lord
349208 | Zig:22   | Noticed Azet the pandemonium lord
349208 | Zig:22   | Noticed Heus the pandemonium lord
349208 | Zig:22   | Noticed Kudanuif the pandemonium lord
349208 | Zig:22   | Noticed Ihed the pandemonium lord
349209 | Zig:22   | Killed Meghuamu the pandemonium lord
349209 | Zig:22   | Killed Byllapn the pandemonium lord
349209 | Zig:22   | Killed Gov Name the pandemonium lord
349209 | Zig:22   | Killed Piung the pandemonium lord
349209 | Zig:22   | Killed Kufebu the pandemonium lord
349209 | Zig:22   | Killed Joeror Uddeh the pandemonium lord
349209 | Zig:22   | Killed Somobexu the pandemonium lord
349209 | Zig:22   | Killed Ycoiqos the pandemonium lord
349210 | Zig:22   | Noticed Micleda the pandemonium lord
349210 | Zig:22   | Noticed Coistu the pandemonium lord
349210 | Zig:22   | Noticed Emoirocaig the pandemonium lord
349210 | Zig:22   | Noticed Siuxac the pandemonium lord
349210 | Zig:22   | Noticed Lah Suu the pandemonium lord
349210 | Zig:22   | Noticed Saroept the pandemonium lord
349210 | Zig:22   | Noticed Pumiseeg the pandemonium lord
349210 | Zig:22   | Noticed Cibadech the pandemonium lord
349211 | Zig:22   | Killed Imippule the pandemonium lord
349211 | Zig:22   | Killed Jumewnat the pandemonium lord
349211 | Zig:22   | Killed Ihogyfas the pandemonium lord
349211 | Zig:22   | Killed Emoirocaig the pandemonium lord
349211 | Zig:22   | Killed Siuxac the pandemonium lord
349211 | Zig:22   | Killed Coistu the pandemonium lord
349211 | Zig:22   | Noticed Taut the pandemonium lord
349211 | Zig:22   | Noticed Coroot the pandemonium lord
349211 | Zig:22   | Killed Saroept the pandemonium lord
349212 | Zig:22   | Noticed Naheuk the pandemonium lord
349212 | Zig:22   | Noticed Pityts the pandemonium lord
349212 | Zig:22   | Noticed Sosibbap the pandemonium lord
349212 | Zig:22   | Noticed Nofanki the pandemonium lord
349213 | Zig:22   | Killed Kudanuif the pandemonium lord
349213 | Zig:22   | Killed Lah Suu the pandemonium lord
349213 | Zig:22   | Killed Ihed the pandemonium lord
349213 | Zig:22   | Killed Pumiseeg the pandemonium lord
349213 | Zig:22   | Killed Aloul the pandemonium lord
349213 | Zig:22   | Killed Poanoaca the pandemonium lord
349213 | Zig:22   | Killed Hoobykia the pandemonium lord
349213 | Zig:22   | Killed Emoregirch the pandemonium lord
349213 | Zig:22   | Killed Pimyot the pandemonium lord
349213 | Zig:22   | Killed Reaschav the pandemonium lord
349213 | Zig:22   | Killed Atzal the pandemonium lord
349214 | Zig:22   | Killed Nofanki the pandemonium lord
349214 | Zig:22   | Killed Jopn the pandemonium lord
349214 | Zig:22   | Killed Azet the pandemonium lord
349214 | Zig:22   | Noticed Qawad the pandemonium lord
349215 | Zig:22   | Killed Taut the pandemonium lord
349215 | Zig:22   | Killed Coroot the pandemonium lord
349215 | Zig:22   | Killed Heus the pandemonium lord
349215 | Zig:22   | Killed Sosibbap the pandemonium lord
349215 | Zig:22   | Killed Asofousm the pandemonium lord
349215 | Zig:22   | Noticed Atiymi the pandemonium lord
349216 | Zig:22   | Killed Nyedd the pandemonium lord
349216 | Zig:22   | Noticed Lihibul the pandemonium lord
349217 | Zig:22   | Killed Cibadech the pandemonium lord
349217 | Zig:22   | Killed Qawad the pandemonium lord
349217 | Zig:22   | Noticed Elynaph the pandemonium lord
349217 | Zig:22   | Noticed Ysi Ullo the pandemonium lord
349218 | Zig:22   | Noticed Qant the pandemonium lord
349219 | Zig:22   | Noticed Letsiowe the pandemonium lord
349219 | Zig:22   | Killed Lihibul the pandemonium lord
349219 | Zig:22   | Noticed Lezybrov the pandemonium lord
349219 | Zig:22   | Noticed Epsil the pandemonium lord
349220 | Zig:22   | Noticed Lestrear the pandemonium lord
349223 | Zig:22   | Killed Jiprarir the pandemonium lord
349223 | Zig:22   | Killed Micleda the pandemonium lord
349224 | Zig:22   | Noticed Luxesub the pandemonium lord
349227 | Zig:22   | Killed Atiymi the pandemonium lord
349228 | Zig:22   | Killed Mifro the pandemonium lord
349228 | Zig:22   | Killed Epsil the pandemonium lord
349228 | Zig:22   | Killed Letsiowe the pandemonium lord
349228 | Zig:22   | Noticed Daxaagu the pandemonium lord
349229 | Zig:22   | Noticed Xenu the pandemonium lord
349230 | Zig:22   | Killed Ysi Ullo the pandemonium lord
349230 | Zig:22   | Killed Elynaph the pandemonium lord
349230 | Zig:22   | Killed Lestrear the pandemonium lord
349230 | Zig:22   | Killed Naheuk the pandemonium lord
349230 | Zig:22   | Noticed Jejiy the pandemonium lord
349231 | Zig:22   | Noticed Pogec the pandemonium lord
349233 | Zig:22   | Noticed Numappos the pandemonium lord
349233 | Zig:22   | Killed Qant the pandemonium lord
349233 | Zig:22   | Killed Pityts the pandemonium lord
349233 | Zig:22   | Killed Luxesub the pandemonium lord
349234 | Zig:22   | Noticed Omeic the pandemonium lord
349234 | Zig:22   | Noticed Sonkorink the pandemonium lord
349234 | Zig:22   | Noticed Hitis the pandemonium lord
349236 | Zig:22   | Killed Xenu the pandemonium lord
349236 | Zig:22   | Killed Daxaagu the pandemonium lord
349236 | Zig:22   | Killed Pogec the pandemonium lord
349236 | Zig:22   | Noticed Uxtoir the pandemonium lord
349237 | Zig:22   | Noticed Voadarch the pandemonium lord
349237 | Zig:22   | Noticed Govogexze the pandemonium lord
349237 | Zig:22   | Noticed Doko the pandemonium lord
349237 | Zig:22   | Noticed Zetiguq the pandemonium lord
349238 | Zig:22   | Killed Numappos the pandemonium lord
349238 | Zig:22   | Killed Sonkorink the pandemonium lord
349239 | Zig:22   | Noticed Liuhe the pandemonium lord
349239 | Zig:22   | Noticed Fewyusug the pandemonium lord
349239 | Zig:22   | Noticed Etorch the pandemonium lord
349240 | Zig:22   | Noticed Fichaox the pandemonium lord
349240 | Zig:22   | Killed Jejiy the pandemonium lord
349240 | Zig:22   | Noticed Qukkegapn the pandemonium lord
349241 | Zig:22   | Noticed Soacs the pandemonium lord
349247 | Zig:22   | Killed Doko the pandemonium lord
349248 | Zig:22   | Killed Voadarch the pandemonium lord
349248 | Zig:22   | Killed Govogexze the pandemonium lord
349248 | Zig:22   | Killed Hitis the pandemonium lord
349248 | Zig:22   | Killed Uxtoir the pandemonium lord
349248 | Zig:22   | Killed Fewyusug the pandemonium lord
349248 | Zig:22   | Killed Etorch the pandemonium lord
349249 | Zig:22   | Killed Lezybrov the pandemonium lord
349250 | Zig:22   | Killed Fichaox the pandemonium lord
349254 | Zig:22   | Killed Qukkegapn the pandemonium lord
349254 | Zig:22   | Killed Soacs the pandemonium lord
349254 | Zig:22   | Killed Liuhe the pandemonium lord
349254 | Zig:22   | Killed Omeic the pandemonium lord
349257 | Zig:22   | Killed Zetiguq the pandemonium lord
349844 | Zig:22   | Identified the +5 war axe "Loklogh" {flame, +Blink rElec
                  | rPois rF- Stlth+}
349879 | Zig:22   | Identified the +8 flail of Mixuc {flame, Int+3}
349898 | Zig:22   | Identified the +9 halberd "Ethif" {freeze, *Rage rN++ rCorr
                  | SInv}
349905 | Zig:22   | Identified the +9 plate armour of the Eternal Fruit {rPois}
349907 | Zig:22   | Identified the +1 short sword of the Hall of Blades {drain,
                  | Fly}
349921 | Zig:22   | Identified the ring "Toepo" {rElec rPois rF+ Str+3}
349936 | Zig:22   | Identified the +2 quick blade of Qayd {drain, rC+}
349964 | Zig:22   | Identified the +2 sling of the Evening {freeze, rN+ Dex+3
                  | SInv}
349966 | Zig:22   | Identified the +0 robe of Mysticism {rC+ rCorr Dex-2
                  | Slay+4}
349967 | Zig:22   | Identified the +4 mace of Corporal Punishment {heavy, rF-
                  | rN+++ Int+2}
349980 | Zig:22   | Identified the +12 chain mail of Weightlessness {rF++}
349985 | Zig:22   | Identified the +3 morningstar of Immorality {flame, rC+++
                  | Str-2 Int+3 Stlth+}
349987 | Zig:22   | Identified the ring "Ataaxu Dyhip" {Wiz rF+ Int+3}
349996 | Zig:22   | Identified the +5 shortbow of Arrival {antimagic, rPois}
350134 | Zig:23   | Entered Level 23 of a ziggurat
350169 | Zig:23   | Noticed Mawogettipn the pandemonium lord
350180 | Zig:23   | Killed Mawogettipn the pandemonium lord
350189 | Zig:23   | Identified the staff "Ultimatum" {Int+3 Earth}
350270 | Zig:23   | Identified the +3 broad axe of Demonic Integrity {freeze,
                  | rCorr Stlth+}
350271 | Zig:23   | Identified the +0 ring mail of the Spider Nest {Str+3 Dex+2
                  | SInv Stlth+}
350277 | Zig:23   | Identified the ring "Ewuosk" {*Corrode rPois rF- Str+3
                  | Dex+5}
350293 | Zig:23   | Identified the staff "Xanlih" {Int+4 Conj}
350300 | Zig:23   | Identified the +4 orcbow "Retisad" {drain, rElec rCorr
                  | Str+4 Dex+4}
350309 | Zig:23   | Identified the ring "Huish" {Wiz rN+ Str+3 Int+4 Slay+3}
350434 | Zig:23   | Identified the +9 shortbow of Roschih {drain, rPois rF+
                  | MP+9 Dex-3}
350447 | Zig:23   | Identified the +6 glaive of Responsibility {protect,
                  | *Corrode ^Fragile rF+++ Will+++}
350460 | Zig:23   | Identified the +9 whip of Uqudirgh {elec, rC++ Stlth-}
350469 | Zig:23   | Identified the staff "Ultimatum" {rF+ rCorr Fire}
350530 | Zig:23   | Identified the +6 flail of the Gnat {protect, rN+++ Will-
                  | SInv Stlth+}
351148 | Zig:24   | Entered Level 24 of a ziggurat
351185 | Zig:24   | Noticed Vesets the pandemonium lord
351193 | Zig:24   | Killed Vesets the pandemonium lord
351210 | Zig:24   | Identified the +1 quarterstaff "Inafoim" {venom, Stlth+}
351810 | Zig:24   | Identified the +2 pair of boots of Elyvilon's Reproof {rF-
                  | Str+3 Stlth+}
351825 | Zig:24   | Identified the +5 orcbow of Dishonesty {speed, SInv}
351981 | Zig:24   | Identified the +1 storm dragon scales of the Guardian
                  | {rElec rF+ Int+6}
351995 | Zig:24   | Identified the +6 hand axe "Gargoyle's Death" {drain, rF+
                  | rC++ Str+2}
352007 | Zig:24   | Identified the +1 leather armour of Rotation {Rampage}
352022 | Zig:24   | Identified the +3 plate armour of Circular Logic {rPois
                  | Will++}
352030 | Zig:24   | Identified the staff "Orb Guardian's Regret" {Fly Dex+4
                  | Stlth- Summ Earth}
352031 | Zig:24   | Identified the +1 rapier of Wondrous Power {pain, Dex+2
                  | Stlth+}
352033 | Zig:24   | Identified the amulet of Creativity {RegenMP Regen+}
352046 | Zig:24   | Identified the +5 rapier of Zassarug {pain, rPois rN+ Str-4
                  | Int+2}
352049 | Zig:24   | Identified the +5 dagger of Salt {pain, *Slow rElec rN+
                  | Int+4}
352051 | Zig:24   | Identified the +0 ring mail of a wizard's laboratory {rCorr
                  | Int+4}
352057 | Zig:24   | Identified the +5 mace "Liuprosch" {vamp, Fly Str+3 Int+4
                  | Dex-3}
352064 | Zig:24   | Identified the +0 pair of gloves of Experimentation {Dex+3}
352134 | Zig:25   | Entered Level 25 of a ziggurat
352134 | Zig:25   | Noticed an ancient lich
352134 | Zig:25   | Noticed an ancient lich
352134 | Zig:25   | Noticed an ancient lich
352134 | Zig:25   | Noticed an ancient lich
352134 | Zig:25   | Noticed an ancient lich
352134 | Zig:25   | Noticed an ancient lich
352134 | Zig:25   | Noticed an ancient lich
352135 | Zig:25   | Killed an ancient lich
352135 | Zig:25   | Killed an ancient lich
352135 | Zig:25   | Killed an ancient lich
352135 | Zig:25   | Killed an ancient lich
352136 | Zig:25   | Noticed an ancient lich
352137 | Zig:25   | Killed an ancient lich
352137 | Zig:25   | Killed an ancient lich
352138 | Zig:25   | Noticed an ancient lich
352138 | Zig:25   | Noticed an ancient lich
352139 | Zig:25   | Killed an ancient lich
352140 | Zig:25   | Noticed an ancient lich
352141 | Zig:25   | Noticed an ancient lich
352142 | Zig:25   | Noticed an ancient lich
352143 | Zig:25   | Killed an ancient lich
352143 | Zig:25   | Killed an ancient lich
352143 | Zig:25   | Killed an ancient lich
352145 | Zig:25   | Noticed an ancient lich
352145 | Zig:25   | Noticed an ancient lich
352146 | Zig:25   | Noticed an ancient lich
352148 | Zig:25   | Noticed an ancient lich
352149 | Zig:25   | Noticed an ancient lich
352149 | Zig:25   | Noticed an ancient lich
352150 | Zig:25   | Noticed an ancient lich
352150 | Zig:25   | Noticed an ancient lich
352150 | Zig:25   | Noticed an ancient lich
352151 | Zig:25   | Noticed an ancient lich
352151 | Zig:25   | Killed an ancient lich
352152 | Zig:25   | Killed an ancient lich
352152 | Zig:25   | Killed an ancient lich
352152 | Zig:25   | Killed an ancient lich
352152 | Zig:25   | Killed an ancient lich
352152 | Zig:25   | Killed an ancient lich
352152 | Zig:25   | Killed an ancient lich
352152 | Zig:25   | Killed an ancient lich
352152 | Zig:25   | Killed an ancient lich
352152 | Zig:25   | Killed an ancient lich
352152 | Zig:25   | Killed an ancient lich
352153 | Zig:25   | Noticed an ancient lich
352153 | Zig:25   | Noticed an ancient lich
352153 | Zig:25   | Noticed an ancient lich
352153 | Zig:25   | Noticed an ancient lich
352154 | Zig:25   | Killed an ancient lich
352154 | Zig:25   | Killed an ancient lich
352154 | Zig:25   | Killed an ancient lich
352154 | Zig:25   | Killed an ancient lich
352154 | Zig:25   | Noticed an ancient lich
352155 | Zig:25   | Noticed an ancient lich
352155 | Zig:25   | Noticed an ancient lich
352156 | Zig:25   | Noticed an ancient lich
352156 | Zig:25   | Noticed an ancient lich
352156 | Zig:25   | Noticed an ancient lich
352156 | Zig:25   | Noticed an ancient lich
352156 | Zig:25   | Noticed an ancient lich
352156 | Zig:25   | Noticed an ancient lich
352157 | Zig:25   | Killed an ancient lich
352157 | Zig:25   | Killed an ancient lich
352157 | Zig:25   | Killed an ancient lich
352157 | Zig:25   | Killed an ancient lich
352157 | Zig:25   | Killed an ancient lich
352157 | Zig:25   | Killed an ancient lich
352159 | Zig:25   | Noticed an ancient lich
352160 | Zig:25   | Killed an ancient lich
352160 | Zig:25   | Killed an ancient lich
352160 | Zig:25   | Killed an ancient lich
352160 | Zig:25   | Killed an ancient lich
352160 | Zig:25   | Killed an ancient lich
352160 | Zig:25   | Killed an ancient lich
352160 | Zig:25   | Noticed an ancient lich
352162 | Zig:25   | Noticed an ancient lich
352163 | Zig:25   | Killed an ancient lich
352164 | Zig:25   | Noticed an ancient lich
352164 | Zig:25   | Noticed an ancient lich
352167 | Zig:25   | Killed an ancient lich
352167 | Zig:25   | Killed an ancient lich
352169 | Zig:25   | Noticed an ancient lich
352170 | Zig:25   | Noticed an ancient lich
352170 | Zig:25   | Killed an ancient lich
352170 | Zig:25   | Killed an ancient lich
352170 | Zig:25   | Noticed an ancient lich
352171 | Zig:25   | Noticed an ancient lich
352171 | Zig:25   | Noticed an ancient lich
352172 | Zig:25   | Noticed an ancient lich
352173 | Zig:25   | Killed an ancient lich
352173 | Zig:25   | Killed an ancient lich
352173 | Zig:25   | Killed an ancient lich
352173 | Zig:25   | Killed an ancient lich
352176 | Zig:25   | Killed an ancient lich
352186 | Zig:25   | Identified the +5 gold dragon scales of the Present
                  | {Rampage rPois rF+ rC+ rN+++ Regen+ Stlth-}
352264 | Zig:25   | Identified the +4 halberd of Linearity {freeze, Fly rC++
                  | Str+2 Stlth-}
352289 | Zig:25   | Identified the +3 chain mail of Good Intentions {*Corrode
                  | rN+ Int+5}
352291 | Zig:25   | Identified the +4 quarterstaff of the Floral God {elec,
                  | Int+3 Dex+6}
352299 | Zig:25   | Identified the +9 short sword of Recklessness {antimagic,
                  | rC+}
352301 | Zig:25   | Identified the ring of the Chimera {Int+6 Slay+3}
352308 | Zig:25   | Identified the ring of Wekhorr {Fly rElec Stlth+}
352311 | Zig:25   | Identified the ring of Yvvu {Fly Will+ Dex+2}
352318 | Zig:25   | Identified the +1 short sword "Xuteoll" {heavy, rElec rN+
                  | Str-4}
352322 | Zig:25   | Identified the +0 scale mail of the Dice {Harm rC+ rN+}
352365 | Zig:25   | Identified the +4 short sword of the Dungeon {chaos, rCorr}
352387 | Zig:25   | Identified the +5 whip of the Evil Eye {spect, Str+4}
352398 | Zig:25   | Identified the +3 great mace of Tension {flame, Dex+2}
352418 | Zig:25   | Identified the ring "Hunem" {Will+ Str+6}
352422 | Zig:25   | Identified the ring "Hinupyigir" {rC+ rN+ Dex+6}
352440 | Zig:25   | Identified the +5 spear "Beastbane" {flame, +Blink Will-
                  | Dex+2}
353192 | Zig:25   | Identified the -1 pair of boots "Ziyb" {-Tele Int+3 Dex+2
                  | Stlth+}
353194 | Zig:25   | Identified the +2 war axe "Cokkoeg" {pain, rN+++ Will+
                  | Dex+4}
353205 | Zig:26   | Entered Level 26 of a ziggurat
354015 | Zig:26   | Identified the +3 leather armour "Egru Cumebeu" {rElec}
354022 | Zig:26   | Identified the +6 arbalest of Dithmenos's Hope {speed, rC+
                  | rCorr Str+2}
354032 | Zig:26   | Identified the +3 short sword of Netittou {flame, rElec}
354082 | Zig:26   | Identified the +6 flail of Mija Qur {flame, rPois rCorr
                  | Dex+3}
354106 | Zig:26   | Identified the +10 demon trident "Itew" {vamp, rElec Will+
                  | Dex+3 SInv}
354114 | Zig:26   | Identified the +2 hand axe of the Ancient Moons {holy,
                  | rElec}
354136 | Zig:26   | Identified the +11 dagger of Precise Incision {vamp, Fly
                  | Int+4 Dex-5}
354400 | Zig:27   | Entered Level 27 of a ziggurat
354407 | Zig:27   | Noticed a dread lich
354409 | Zig:27   | Killed a dread lich
354557 | Zig:27   | Identified the ring "Teddotz" {rCorr AC+4 Str+4}
354572 | Zig:27   | Identified the +0 robe of Mamoicka {rPois rN+ SInv}
354573 | Zig:27   | Identified the +1 leather armour of Spring Thaw {Fly Will+
                  | rCorr Int-5}
354574 | Zig:27   | Identified the staff of Tuqerusch {Int+2 Hexes Tloc Earth}
354590 | Zig:27   | Identified the ring "Opnax" {rN+ EV+5 Str+3 Int-3 Dex+3}
354593 | Zig:27   | Identified the +8 long sword "Widowmaker" {spect, rC+}
354595 | Zig:27   | Identified the +1 war axe "Buoluitz" {spect, rElec rPois}
354619 | Zig:27   | Identified the +3 dire flail "Abbel" {flame, rPois rN+}
354649 | Zig:27   | Identified the ring of Xom's Full Attention {rPois rC+
                  | Will++ Str-5 Slay+4}
355497 | Depths:3 | Acquired the +14 crystal plate armour "Vexkye" {^Contam
                  | ^Drain Str+8 Dex+6}
355501 | Depths:3 | Acquired the +1 tower shield of Compassion {rF++ Regen+
                  | Int+3 Dex-3}
355504 | Depths:3 | Acquired the ring "Ufiorch" {rF+++ Will- Dex+6 SInv}
355506 | Depths:3 | Acquired 691 gold pieces
355507 | Depths:3 | Acquired the +3 pair of gloves of Nulat {rElec Will++
                  | Dex+4}
355516 | Depths:3 | Acquired the +3 kite shield of Ravioli {rElec Regen+ Dex+3}
355520 | Depths:3 | Acquired the +0 pair of gloves "Hemn" {^Drain rF+ rCorr
                  | Str+2}
355522 | Depths:3 | Acquired 629 gold pieces
355524 | Depths:3 | Acquired the ring "Hyagrag" {EV+5 Dex+5}
355546 | Zig:1    | Entered Level 1 of a ziggurat
355546 | Zig:1    | Noticed a dread lich
355546 | Zig:1    | Noticed an ancient lich
355546 | Zig:1    | Noticed an ancient lich
355546 | Zig:1    | Noticed a dread lich
355547 | Zig:1    | Killed a dread lich
355548 | Zig:1    | Killed an ancient lich
355548 | Zig:1    | Killed an ancient lich
355548 | Zig:1    | Killed a dread lich
355554 | Zig:2    | Entered Level 2 of a ziggurat
355554 | Zig:2    | Noticed an ancient lich
355554 | Zig:2    | Noticed a dread lich
355554 | Zig:2    | Noticed a dread lich
355554 | Zig:2    | Noticed an ancient lich
355554 | Zig:2    | Noticed a dread lich
355554 | Zig:2    | Noticed a dread lich
355554 | Zig:2    | Noticed an ancient lich
355554 | Zig:2    | Noticed a dread lich
355554 | Zig:2    | Noticed an ancient lich
355554 | Zig:2    | Noticed a dread lich
355554 | Zig:2    | Noticed an ancient lich
355554 | Zig:2    | Noticed a dread lich
355554 | Zig:2    | Noticed an ancient lich
355554 | Zig:2    | Noticed a dread lich
355554 | Zig:2    | Noticed a dread lich
355555 | Zig:2    | Killed a dread lich
355555 | Zig:2    | Killed a dread lich
355555 | Zig:2    | Killed a dread lich
355555 | Zig:2    | Killed an ancient lich
355555 | Zig:2    | Killed an ancient lich
355555 | Zig:2    | Killed an ancient lich
355555 | Zig:2    | Killed a dread lich
355555 | Zig:2    | Killed a dread lich
355558 | Zig:2    | Killed an ancient lich
355558 | Zig:2    | Killed an ancient lich
355558 | Zig:2    | Killed a dread lich
355558 | Zig:2    | Killed a dread lich
355558 | Zig:2    | Killed an ancient lich
355558 | Zig:2    | Killed a dread lich
355573 | Zig:3    | Entered Level 3 of a ziggurat
355577 | Zig:3    | Identified the ring "Icsuahoxa" {rF+ rN+ MP+9 Str-2 Int+6}
355583 | Zig:4    | Entered Level 4 of a ziggurat
355583 | Zig:4    | Noticed a royal mummy
355583 | Zig:4    | Noticed a royal mummy
355583 | Zig:4    | Noticed a royal mummy
355583 | Zig:4    | Noticed a royal mummy
355583 | Zig:4    | Noticed a royal mummy
355583 | Zig:4    | Noticed a royal mummy
355583 | Zig:4    | Noticed a royal mummy
355583 | Zig:4    | Noticed a royal mummy
355583 | Zig:4    | Noticed a royal mummy
355583 | Zig:4    | Noticed a royal mummy
355583 | Zig:4    | Noticed a royal mummy
355584 | Zig:4    | Killed a royal mummy
355584 | Zig:4    | Killed a royal mummy
355584 | Zig:4    | Killed a royal mummy
355584 | Zig:4    | Killed a royal mummy
355584 | Zig:4    | Killed a royal mummy
355584 | Zig:4    | Killed a royal mummy
355584 | Zig:4    | Killed a royal mummy
355585 | Zig:4    | Noticed a royal mummy
355587 | Zig:4    | Killed a royal mummy
355587 | Zig:4    | Killed a royal mummy
355587 | Zig:4    | Killed a royal mummy
355589 | Zig:4    | Killed a royal mummy
355593 | Zig:4    | Killed a royal mummy
355826 | Zig:5    | Entered Level 5 of a ziggurat
355837 | Zig:6    | Entered Level 6 of a ziggurat
355856 | Zig:7    | Entered Level 7 of a ziggurat
355880 | Zig:8    | Entered Level 8 of a ziggurat
356118 | Zig:8    | Identified the amulet "Vystovua" {RegenMP Int+4}
356120 | Zig:8    | Identified the +0 arbalest of Eternity {freeze, rCorr MP+9
                  | Str+3}
356163 | Zig:8    | Identified the +2 orcbow of Departure {drain, rC+ Int+2
                  | SInv}
356240 | Zig:9    | Entered Level 9 of a ziggurat
356240 | Zig:9    | Noticed Segrup the pandemonium lord
356240 | Zig:9    | Noticed Ubbarecw the pandemonium lord
356240 | Zig:9    | Noticed Jitt the pandemonium lord
356240 | Zig:9    | Noticed Cugrer the pandemonium lord
356240 | Zig:9    | Noticed Diubry the pandemonium lord
356240 | Zig:9    | Noticed Uheunu the pandemonium lord
356240 | Zig:9    | Noticed Xureu the pandemonium lord
356240 | Zig:9    | Noticed Juyhedy the pandemonium lord
356240 | Zig:9    | Noticed Litamame the pandemonium lord
356240 | Zig:9    | Noticed Zuthimia the pandemonium lord
356240 | Zig:9    | Noticed Joiku the pandemonium lord
356240 | Zig:9    | Noticed Ifuegh the pandemonium lord
356240 | Zig:9    | Noticed Doafoput the pandemonium lord
356240 | Zig:9    | Noticed Ledose Coaku the pandemonium lord
356240 | Zig:9    | Noticed Dicog the pandemonium lord
356240 | Zig:9    | Noticed Wupronenn the pandemonium lord
356240 | Zig:9    | Noticed Maminnawk the pandemonium lord
356240 | Zig:9    | Noticed Motuir the pandemonium lord
356240 | Zig:9    | Noticed Xeummerch the pandemonium lord
356240 | Zig:9    | Noticed Biysemiu the pandemonium lord
356240 | Zig:9    | Noticed Faap the pandemonium lord
356240 | Zig:9    | Noticed Vodelepe the pandemonium lord
356240 | Zig:9    | Noticed Nerig the pandemonium lord
356240 | Zig:9    | Noticed Saivvori the pandemonium lord
356240 | Zig:9    | Noticed Xuesh the pandemonium lord
356240 | Zig:9    | Noticed Zaullog the pandemonium lord
356240 | Zig:9    | Noticed Oqa Faig the pandemonium lord
356240 | Zig:9    | Noticed Tedwuez the pandemonium lord
356240 | Zig:9    | Noticed Yneutyph the pandemonium lord
356240 | Zig:9    | Noticed Vaokic the pandemonium lord
356240 | Zig:9    | Noticed Ochihoh the pandemonium lord
356240 | Zig:9    | Noticed Orreoz the pandemonium lord
356240 | Zig:9    | Noticed Kohewes the pandemonium lord
356240 | Zig:9    | Noticed Lueles the pandemonium lord
356240 | Zig:9    | Noticed Giqu the pandemonium lord
356240 | Zig:9    | Noticed Ecurch the pandemonium lord
356240 | Zig:9    | Noticed Ruechobra the pandemonium lord
356240 | Zig:9    | Noticed Cihuma the pandemonium lord
356240 | Zig:9    | Noticed Cumaseq the pandemonium lord
356242 | Zig:9    | Killed Juyhedy the pandemonium lord
356242 | Zig:9    | Killed Ifuegh the pandemonium lord
356242 | Zig:9    | Killed Ledose Coaku the pandemonium lord
356242 | Zig:9    | Killed Maminnawk the pandemonium lord
356242 | Zig:9    | Killed Joiku the pandemonium lord
356242 | Zig:9    | Killed Zuthimia the pandemonium lord
356242 | Zig:9    | Killed Motuir the pandemonium lord
356242 | Zig:9    | Killed Xeummerch the pandemonium lord
356242 | Zig:9    | Killed Tedwuez the pandemonium lord
356242 | Zig:9    | Killed Orreoz the pandemonium lord
356242 | Zig:9    | Killed Ochihoh the pandemonium lord
356242 | Zig:9    | Killed Giqu the pandemonium lord
356242 | Zig:9    | Killed Ruechobra the pandemonium lord
356242 | Zig:9    | Killed Kohewes the pandemonium lord
356242 | Zig:9    | Killed Ecurch the pandemonium lord
356242 | Zig:9    | Killed Cumaseq the pandemonium lord
356242 | Zig:9    | Killed Yneutyph the pandemonium lord
356242 | Zig:9    | Killed Vaokic the pandemonium lord
356242 | Zig:9    | Killed Lueles the pandemonium lord
356242 | Zig:9    | Killed Oqa Faig the pandemonium lord
356242 | Zig:9    | Killed Nerig the pandemonium lord
356242 | Zig:9    | Killed Zaullog the pandemonium lord
356242 | Zig:9    | Killed Saivvori the pandemonium lord
356242 | Zig:9    | Killed Jitt the pandemonium lord
356243 | Zig:9    | Killed Doafoput the pandemonium lord
356243 | Zig:9    | Killed Diubry the pandemonium lord
356243 | Zig:9    | Killed Ubbarecw the pandemonium lord
356243 | Zig:9    | Killed Litamame the pandemonium lord
356243 | Zig:9    | Noticed Wappeip the pandemonium lord
356243 | Zig:9    | Noticed Niaves the pandemonium lord
356243 | Zig:9    | Killed Cihuma the pandemonium lord
356243 | Zig:9    | Killed Vodelepe the pandemonium lord
356244 | Zig:9    | Killed Wupronenn the pandemonium lord
356244 | Zig:9    | Killed Faap the pandemonium lord
356244 | Zig:9    | Killed Segrup the pandemonium lord
356244 | Zig:9    | Killed Uheunu the pandemonium lord
356244 | Zig:9    | Killed Dicog the pandemonium lord
356244 | Zig:9    | Noticed Jeceiwui the pandemonium lord
356245 | Zig:9    | Noticed Wurafaut the pandemonium lord
356245 | Zig:9    | Noticed Duhiaj the pandemonium lord
356246 | Zig:9    | Noticed Juogargh the pandemonium lord
356246 | Zig:9    | Noticed Fabrator the pandemonium lord
356246 | Zig:9    | Noticed Isour the pandemonium lord
356246 | Zig:9    | Noticed Wegah the pandemonium lord
356246 | Zig:9    | Noticed Xiaran the pandemonium lord
356247 | Zig:9    | Noticed Vapiddi the pandemonium lord
356247 | Zig:9    | Killed Wappeip the pandemonium lord
356247 | Zig:9    | Killed Xuesh the pandemonium lord
356247 | Zig:9    | Killed Wurafaut the pandemonium lord
356247 | Zig:9    | Killed Xiaran the pandemonium lord
356247 | Zig:9    | Noticed Riroolon the pandemonium lord
356247 | Zig:9    | Noticed Xaxysear the pandemonium lord
356247 | Zig:9    | Noticed Diry the pandemonium lord
356248 | Zig:9    | Noticed Refasi the pandemonium lord
356248 | Zig:9    | Noticed Zoehotse the pandemonium lord
356248 | Zig:9    | Noticed Lumaet the pandemonium lord
356248 | Zig:9    | Noticed Zujeg the pandemonium lord
356248 | Zig:9    | Noticed Ucixuuni the pandemonium lord
356249 | Zig:9    | Noticed Wusumyo the pandemonium lord
356249 | Zig:9    | Noticed Zistuf Siagi the pandemonium lord
356249 | Zig:9    | Noticed Vetaogri the pandemonium lord
356249 | Zig:9    | Noticed Ashauchy the pandemonium lord
356250 | Zig:9    | Killed Xureu the pandemonium lord
356250 | Zig:9    | Killed Niaves the pandemonium lord
356250 | Zig:9    | Killed Fabrator the pandemonium lord
356250 | Zig:9    | Killed Duhiaj the pandemonium lord
356250 | Zig:9    | Killed Biysemiu the pandemonium lord
356251 | Zig:9    | Noticed Kaomom the pandemonium lord
356251 | Zig:9    | Noticed Naibbito the pandemonium lord
356251 | Zig:9    | Noticed Cuuckipun the pandemonium lord
356251 | Zig:9    | Noticed Socheuvveu the pandemonium lord
356251 | Zig:9    | Noticed Wohiyru the pandemonium lord
356251 | Zig:9    | Noticed Munyocke the pandemonium lord
356252 | Zig:9    | Killed Diry the pandemonium lord
356252 | Zig:9    | Killed Vapiddi the pandemonium lord
356252 | Zig:9    | Killed Zistuf Siagi the pandemonium lord
356252 | Zig:9    | Killed Cugrer the pandemonium lord
356252 | Zig:9    | Killed Wegah the pandemonium lord
356252 | Zig:9    | Killed Juogargh the pandemonium lord
356253 | Zig:9    | Noticed Tadwokeu the pandemonium lord
356255 | Zig:9    | Killed Refasi the pandemonium lord
356255 | Zig:9    | Killed Zujeg the pandemonium lord
356255 | Zig:9    | Killed Ashauchy the pandemonium lord
356255 | Zig:9    | Killed Lumaet the pandemonium lord
356255 | Zig:9    | Killed Jeceiwui the pandemonium lord
356255 | Zig:9    | Killed Naibbito the pandemonium lord
356255 | Zig:9    | Killed Xaxysear the pandemonium lord
356255 | Zig:9    | Killed Ucixuuni the pandemonium lord
356257 | Zig:9    | Killed Vetaogri the pandemonium lord
356257 | Zig:9    | Killed Wohiyru the pandemonium lord
356260 | Zig:9    | Killed Cuuckipun the pandemonium lord
356261 | Zig:9    | Killed Kaomom the pandemonium lord
356261 | Zig:9    | Killed Tadwokeu the pandemonium lord
356261 | Zig:9    | Killed Munyocke the pandemonium lord
356261 | Zig:9    | Killed Socheuvveu the pandemonium lord
356262 | Zig:9    | Killed Wusumyo the pandemonium lord
356263 | Zig:9    | Killed Riroolon the pandemonium lord
356264 | Zig:9    | Killed Zoehotse the pandemonium lord
356266 | Zig:9    | Killed Isour the pandemonium lord
356334 | Zig:9    | Identified the +1 cloak of Yesterday {rPois rF- rN+}
356336 | Zig:9    | Identified the +5 halberd "Ythre Fuhileps" {holy, rElec
                  | rPois Str+4 Int-2}
356350 | Zig:9    | Identified the ring "Vorox" {rCorr EV+5 Dex+2 Slay+3}
356581 | Zig:9    | Identified the +5 acid dragon scales of Ignis's Displeasure
                  | {rCorr Str-5 Slay+5}
356591 | Zig:9    | Identified the +8 glaive of Laceration {freeze, rC+ rCorr
                  | Int-2 Dex+5}
356630 | Zig:10   | Entered Level 10 of a ziggurat
356630 | Zig:10   | Noticed an orb of fire
356630 | Zig:10   | Noticed an orb of fire
356630 | Zig:10   | Noticed an orb of fire
356630 | Zig:10   | Noticed an orb of fire
356630 | Zig:10   | Noticed an orb of fire
356630 | Zig:10   | Noticed an orb of fire
356630 | Zig:10   | Noticed an orb of fire
356630 | Zig:10   | Noticed an orb of fire
356630 | Zig:10   | Noticed an orb of fire
356630 | Zig:10   | Noticed an orb of fire
356630 | Zig:10   | Noticed an orb of fire
356630 | Zig:10   | Noticed an orb of fire
356630 | Zig:10   | Noticed an orb of fire
356630 | Zig:10   | Noticed an orb of fire
356630 | Zig:10   | Noticed an orb of fire
356630 | Zig:10   | Noticed an orb of fire
356630 | Zig:10   | Noticed an orb of fire
356630 | Zig:10   | Noticed an orb of fire
356630 | Zig:10   | Noticed an orb of fire
356630 | Zig:10   | Noticed an orb of fire
356630 | Zig:10   | Noticed an orb of fire
356630 | Zig:10   | Noticed an orb of fire
356630 | Zig:10   | Noticed an orb of fire
356630 | Zig:10   | Noticed an orb of fire
356630 | Zig:10   | Noticed an orb of fire
356630 | Zig:10   | Noticed an orb of fire
356630 | Zig:10   | Noticed an orb of fire
356630 | Zig:10   | Noticed an orb of fire
356630 | Zig:10   | Noticed an orb of fire
356632 | Zig:10   | Noticed an orb of fire
356632 | Zig:10   | Noticed an orb of fire
356633 | Zig:10   | Killed an orb of fire
356633 | Zig:10   | Noticed an orb of fire
356633 | Zig:10   | Noticed an orb of fire
356634 | Zig:10   | Killed an orb of fire
356634 | Zig:10   | Killed an orb of fire
356634 | Zig:10   | Killed an orb of fire
356634 | Zig:10   | Killed an orb of fire
356634 | Zig:10   | Killed an orb of fire
356634 | Zig:10   | Killed an orb of fire
356634 | Zig:10   | Killed an orb of fire
356634 | Zig:10   | Killed an orb of fire
356634 | Zig:10   | Killed an orb of fire
356635 | Zig:10   | Noticed an orb of fire
356635 | Zig:10   | Noticed an orb of fire
356635 | Zig:10   | Noticed an orb of fire
356635 | Zig:10   | Noticed an orb of fire
356635 | Zig:10   | Noticed an orb of fire
356635 | Zig:10   | Noticed an orb of fire
356635 | Zig:10   | Noticed an orb of fire
356636 | Zig:10   | Noticed an orb of fire
356636 | Zig:10   | Killed an orb of fire
356636 | Zig:10   | Killed an orb of fire
356636 | Zig:10   | Killed an orb of fire
356636 | Zig:10   | Killed an orb of fire
356636 | Zig:10   | Killed an orb of fire
356636 | Zig:10   | Killed an orb of fire
356636 | Zig:10   | Killed an orb of fire
356636 | Zig:10   | Killed an orb of fire
356636 | Zig:10   | Killed an orb of fire
356636 | Zig:10   | Noticed an orb of fire
356636 | Zig:10   | Noticed an orb of fire
356636 | Zig:10   | Noticed an orb of fire
356636 | Zig:10   | Noticed an orb of fire
356636 | Zig:10   | Noticed an orb of fire
356637 | Zig:10   | Noticed an orb of fire
356637 | Zig:10   | Noticed an orb of fire
356637 | Zig:10   | Noticed an orb of fire
356637 | Zig:10   | Noticed an orb of fire
356637 | Zig:10   | Noticed an orb of fire
356637 | Zig:10   | Killed an orb of fire
356638 | Zig:10   | Killed an orb of fire
356638 | Zig:10   | Killed an orb of fire
356638 | Zig:10   | Killed an orb of fire
356638 | Zig:10   | Killed an orb of fire
356638 | Zig:10   | Killed an orb of fire
356638 | Zig:10   | Killed an orb of fire
356638 | Zig:10   | Noticed an orb of fire
356639 | Zig:10   | Noticed an orb of fire
356639 | Zig:10   | Noticed an orb of fire
356639 | Zig:10   | Noticed an orb of fire
356639 | Zig:10   | Noticed an orb of fire
356639 | Zig:10   | Noticed an orb of fire
356639 | Zig:10   | Noticed an orb of fire
356639 | Zig:10   | Noticed an orb of fire
356640 | Zig:10   | Killed an orb of fire
356640 | Zig:10   | Killed an orb of fire
356640 | Zig:10   | Killed an orb of fire
356640 | Zig:10   | Killed an orb of fire
356640 | Zig:10   | Killed an orb of fire
356640 | Zig:10   | Noticed an orb of fire
356640 | Zig:10   | Noticed an orb of fire
356641 | Zig:10   | Noticed an orb of fire
356641 | Zig:10   | Noticed an orb of fire
356642 | Zig:10   | Killed an orb of fire
356642 | Zig:10   | Killed an orb of fire
356642 | Zig:10   | Killed an orb of fire
356642 | Zig:10   | Noticed an orb of fire
356642 | Zig:10   | Noticed an orb of fire
356643 | Zig:10   | Killed an orb of fire
356643 | Zig:10   | Killed an orb of fire
356643 | Zig:10   | Killed an orb of fire
356643 | Zig:10   | Killed an orb of fire
356643 | Zig:10   | Noticed an orb of fire
356643 | Zig:10   | Noticed an orb of fire
356644 | Zig:10   | Killed an orb of fire
356644 | Zig:10   | Killed an orb of fire
356644 | Zig:10   | Killed an orb of fire
356644 | Zig:10   | Killed an orb of fire
356644 | Zig:10   | Killed an orb of fire
356644 | Zig:10   | Killed an orb of fire
356644 | Zig:10   | Killed an orb of fire
356644 | Zig:10   | Killed an orb of fire
356644 | Zig:10   | Killed an orb of fire
356644 | Zig:10   | Killed an orb of fire
356644 | Zig:10   | Killed an orb of fire
356644 | Zig:10   | Killed an orb of fire
356644 | Zig:10   | Killed an orb of fire
356644 | Zig:10   | Noticed an orb of fire
356644 | Zig:10   | Noticed an orb of fire
356645 | Zig:10   | Noticed an orb of fire
356645 | Zig:10   | Noticed an orb of fire
356645 | Zig:10   | Noticed an orb of fire
356646 | Zig:10   | Noticed an orb of fire
356647 | Zig:10   | Killed an orb of fire
356647 | Zig:10   | Killed an orb of fire
356647 | Zig:10   | Killed an orb of fire
356647 | Zig:10   | Killed an orb of fire
356647 | Zig:10   | Killed an orb of fire
356647 | Zig:10   | Killed an orb of fire
356647 | Zig:10   | Killed an orb of fire
356647 | Zig:10   | Killed an orb of fire
356647 | Zig:10   | Noticed an orb of fire
356647 | Zig:10   | Noticed an orb of fire
356649 | Zig:10   | Killed an orb of fire
356649 | Zig:10   | Killed an orb of fire
356649 | Zig:10   | Killed an orb of fire
356649 | Zig:10   | Killed an orb of fire
356651 | Zig:10   | Killed an orb of fire
356651 | Zig:10   | Killed an orb of fire
356651 | Zig:10   | Killed an orb of fire
356651 | Zig:10   | Killed an orb of fire
356651 | Zig:10   | Killed an orb of fire
356651 | Zig:10   | Killed an orb of fire
356651 | Zig:10   | Killed an orb of fire
356652 | Zig:10   | Noticed an orb of fire
356654 | Zig:10   | Killed an orb of fire
356654 | Zig:10   | Killed an orb of fire
356656 | Zig:10   | Killed an orb of fire
356656 | Zig:10   | Killed an orb of fire
356657 | Zig:10   | Killed an orb of fire
356666 | Zig:10   | Killed an orb of fire
357061 | Zig:10   | Identified the ring of Haninud {^Contam +Blink Fly rC+}
357063 | Zig:10   | Identified the +6 scale mail "Mietit" {Regen+}
357106 | Zig:11   | Entered Level 11 of a ziggurat
357130 | Zig:11   | Identified the +10 rapier "Wuffysam" {drain, Int+5}
357131 | Zig:11   | Identified the +6 scale mail of Textolen {rN+++ Int-4}
357136 | Zig:12   | Entered Level 12 of a ziggurat
357136 | Zig:12   | Noticed an ancient lich
357136 | Zig:12   | Noticed a dread lich
357136 | Zig:12   | Noticed an ancient lich
357136 | Zig:12   | Noticed a dread lich
357136 | Zig:12   | Noticed a dread lich
357136 | Zig:12   | Noticed a dread lich
357136 | Zig:12   | Noticed a dread lich
357136 | Zig:12   | Noticed an ancient lich
357136 | Zig:12   | Noticed an ancient lich
357136 | Zig:12   | Noticed an ancient lich
357136 | Zig:12   | Noticed an ancient lich
357136 | Zig:12   | Noticed an ancient lich
357136 | Zig:12   | Noticed an ancient lich
357136 | Zig:12   | Noticed an ancient lich
357136 | Zig:12   | Noticed a dread lich
357136 | Zig:12   | Noticed a dread lich
357136 | Zig:12   | Noticed an ancient lich
357136 | Zig:12   | Noticed a dread lich
357136 | Zig:12   | Noticed a dread lich
357136 | Zig:12   | Noticed an ancient lich
357136 | Zig:12   | Noticed a dread lich
357136 | Zig:12   | Noticed a dread lich
357136 | Zig:12   | Noticed an ancient lich
357136 | Zig:12   | Noticed a dread lich
357136 | Zig:12   | Noticed an ancient lich
357136 | Zig:12   | Noticed an ancient lich
357136 | Zig:12   | Noticed a dread lich
357136 | Zig:12   | Noticed a dread lich
357137 | Zig:12   | Killed an ancient lich
357137 | Zig:12   | Killed a dread lich
357137 | Zig:12   | Killed an ancient lich
357137 | Zig:12   | Killed an ancient lich
357137 | Zig:12   | Killed an ancient lich
357137 | Zig:12   | Killed a dread lich
357137 | Zig:12   | Killed an ancient lich
357137 | Zig:12   | Killed an ancient lich
357138 | Zig:12   | Killed a dread lich
357138 | Zig:12   | Killed an ancient lich
357138 | Zig:12   | Killed an ancient lich
357138 | Zig:12   | Killed a dread lich
357138 | Zig:12   | Killed an ancient lich
357138 | Zig:12   | Killed a dread lich
357138 | Zig:12   | Killed an ancient lich
357138 | Zig:12   | Killed a dread lich
357138 | Zig:12   | Killed a dread lich
357138 | Zig:12   | Killed a dread lich
357138 | Zig:12   | Killed an ancient lich
357138 | Zig:12   | Killed an ancient lich
357138 | Zig:12   | Killed a dread lich
357138 | Zig:12   | Noticed an ancient lich
357139 | Zig:12   | Noticed an ancient lich
357139 | Zig:12   | Noticed an ancient lich
357139 | Zig:12   | Noticed an ancient lich
357139 | Zig:12   | Noticed a dread lich
357139 | Zig:12   | Noticed a dread lich
357140 | Zig:12   | Killed a dread lich
357140 | Zig:12   | Killed a dread lich
357140 | Zig:12   | Killed an ancient lich
357140 | Zig:12   | Killed a dread lich
357140 | Zig:12   | Killed an ancient lich
357140 | Zig:12   | Killed an ancient lich
357140 | Zig:12   | Killed a dread lich
357141 | Zig:12   | Noticed a dread lich
357141 | Zig:12   | Noticed a dread lich
357141 | Zig:12   | Noticed a dread lich
357141 | Zig:12   | Noticed a dread lich
357141 | Zig:12   | Noticed a dread lich
357141 | Zig:12   | Noticed an ancient lich
357142 | Zig:12   | Noticed an ancient lich
357142 | Zig:12   | Noticed a dread lich
357142 | Zig:12   | Noticed an ancient lich
357142 | Zig:12   | Noticed an ancient lich
357142 | Zig:12   | Noticed an ancient lich
357143 | Zig:12   | Noticed an ancient lich
357143 | Zig:12   | Noticed a dread lich
357143 | Zig:12   | Noticed a dread lich
357143 | Zig:12   | Killed a dread lich
357143 | Zig:12   | Killed an ancient lich
357143 | Zig:12   | Killed a dread lich
357143 | Zig:12   | Killed a dread lich
357143 | Zig:12   | Killed a dread lich
357143 | Zig:12   | Killed an ancient lich
357143 | Zig:12   | Killed an ancient lich
357143 | Zig:12   | Killed a dread lich
357143 | Zig:12   | Killed a dread lich
357143 | Zig:12   | Killed a dread lich
357143 | Zig:12   | Killed a dread lich
357143 | Zig:12   | Killed a dread lich
357143 | Zig:12   | Noticed a dread lich
357144 | Zig:12   | Noticed an ancient lich
357144 | Zig:12   | Noticed an ancient lich
357144 | Zig:12   | Noticed a dread lich
357144 | Zig:12   | Noticed an ancient lich
357144 | Zig:12   | Noticed an ancient lich
357145 | Zig:12   | Noticed a dread lich
357145 | Zig:12   | Noticed an ancient lich
357145 | Zig:12   | Noticed an ancient lich
357146 | Zig:12   | Killed an ancient lich
357146 | Zig:12   | Killed an ancient lich
357146 | Zig:12   | Killed an ancient lich
357146 | Zig:12   | Killed a dread lich
357146 | Zig:12   | Killed an ancient lich
357146 | Zig:12   | Killed an ancient lich
357147 | Zig:12   | Noticed a dread lich
357147 | Zig:12   | Noticed a dread lich
357147 | Zig:12   | Noticed a dread lich
357147 | Zig:12   | Noticed an ancient lich
357147 | Zig:12   | Noticed a dread lich
357148 | Zig:12   | Noticed an ancient lich
357148 | Zig:12   | Noticed a dread lich
357148 | Zig:12   | Noticed a dread lich
357148 | Zig:12   | Noticed an ancient lich
357148 | Zig:12   | Noticed a dread lich
357149 | Zig:12   | Noticed a dread lich
357149 | Zig:12   | Noticed a dread lich
357149 | Zig:12   | Killed an ancient lich
357149 | Zig:12   | Killed an ancient lich
357149 | Zig:12   | Killed an ancient lich
357149 | Zig:12   | Killed an ancient lich
357149 | Zig:12   | Killed a dread lich
357149 | Zig:12   | Killed a dread lich
357149 | Zig:12   | Killed a dread lich
357149 | Zig:12   | Killed an ancient lich
357149 | Zig:12   | Killed an ancient lich
357149 | Zig:12   | Killed an ancient lich
357149 | Zig:12   | Killed an ancient lich
357149 | Zig:12   | Killed a dread lich
357149 | Zig:12   | Killed a dread lich
357149 | Zig:12   | Killed a dread lich
357149 | Zig:12   | Killed a dread lich
357150 | Zig:12   | Noticed a dread lich
357150 | Zig:12   | Noticed a dread lich
357151 | Zig:12   | Noticed an ancient lich
357151 | Zig:12   | Noticed a dread lich
357151 | Zig:12   | Noticed a dread lich
357151 | Zig:12   | Noticed an ancient lich
357152 | Zig:12   | Noticed an ancient lich
357152 | Zig:12   | Killed a dread lich
357152 | Zig:12   | Killed a dread lich
357152 | Zig:12   | Killed a dread lich
357152 | Zig:12   | Killed a dread lich
357152 | Zig:12   | Killed an ancient lich
357152 | Zig:12   | Killed a dread lich
357153 | Zig:12   | Noticed an ancient lich
357153 | Zig:12   | Noticed an ancient lich
357155 | Zig:12   | Killed an ancient lich
357155 | Zig:12   | Killed a dread lich
357155 | Zig:12   | Killed an ancient lich
357155 | Zig:12   | Killed a dread lich
357155 | Zig:12   | Killed a dread lich
357155 | Zig:12   | Killed an ancient lich
357155 | Zig:12   | Killed an ancient lich
357155 | Zig:12   | Noticed an ancient lich
357155 | Zig:12   | Noticed a dread lich
357156 | Zig:12   | Noticed a dread lich
357156 | Zig:12   | Noticed a dread lich
357156 | Zig:12   | Noticed a dread lich
357156 | Zig:12   | Noticed an ancient lich
357157 | Zig:12   | Killed a dread lich
357158 | Zig:12   | Killed a dread lich
357158 | Zig:12   | Killed an ancient lich
357158 | Zig:12   | Killed an ancient lich
357158 | Zig:12   | Killed a dread lich
357161 | Zig:12   | Killed an ancient lich
357161 | Zig:12   | Killed a dread lich
357161 | Zig:12   | Killed a dread lich
357161 | Zig:12   | Killed an ancient lich
357161 | Zig:12   | Killed a dread lich
357166 | Zig:12   | Identified the staff of the Bear {rPois Str+3 Dex+3 Tloc
                  | Alchemy}
357481 | Zig:12   | Identified the +0 dagger of the End of Times {speed, Int+3}
357504 | Zig:12   | Identified the +0 cloak "Cyenavoj" {Str-4 Int+5}
357510 | Zig:12   | Identified the +8 rapier of the Bedazzling Ass {flame, rF-
                  | rN+++ Int+5}
357533 | Zig:12   | Identified the +11 glaive "Urphim Yqud" {drain, rF+ rCorr
                  | Int+3 SInv}
357661 | Zig:13   | Entered Level 13 of a ziggurat
357757 | Zig:13   | Identified the +7 morningstar of Modesty {venom, *Rage rF+
                  | rC++ Str+4}
357762 | Zig:13   | Identified the +7 battleaxe of Interdependent Arising
                  | {freeze, Str+3}
358398 | Zig:14   | Entered Level 14 of a ziggurat
358408 | Zig:14   | Noticed a dread lich
358409 | Zig:14   | Paralysed by accursed screaming for 2 turns
358412 | Zig:14   | Killed a dread lich
358931 | Zig:14   | Identified the staff of Chaos {Int+3 Earth}
358962 | Zig:14   | Identified the +5 hand axe "Opniur" {distort, rF+ Stlth+}
358964 | Zig:14   | Identified the ring of the Pariah {rF+ Will+}
358993 | Zig:14   | Identified the ring of Binwi {AC+4 Int+3}
359006 | Zig:14   | Identified the +10 trident "Keuzxuiq" {spect, Str+3 SInv}
359008 | Zig:14   | Identified the ring "Weapadas" {*Slow rPois rCorr Str+3}
359016 | Zig:14   | Identified the +7 short sword "Sawevaq" {heavy, Int+3}
359027 | Zig:14   | Identified the storm talisman of the Wild Haggis {rF+ Str-5
                  | Int+8}
359034 | Zig:14   | Identified the staff of Instinct {Will+ rCorr Earth}
359038 | Zig:14   | Identified the +11 chain mail of Ylybysuc {rElec rC+ Int+2}
359039 | Zig:14   | Identified the +9 plate armour "Moolet" {Str+4 Dex-4}
359040 | Zig:14   | Identified the +0 mace "Licefuz" {antimagic, rC+}
359102 | Zig:15   | Entered Level 15 of a ziggurat
359198 | Zig:15   | Identified the +3 shortbow of Inyebb {antimagic, rElec rC+
                  | rCorr Int-4}
359199 | Zig:15   | Identified the +10 plate armour of Purpose {rPois Str-4
                  | Dex+2}
359205 | Zig:15   | Identified the ring "Cuoril" {rElec rN+ Dex-3 SInv}
359210 | Zig:15   | Identified the staff of Quick Death {^Fragile +Blink rElec
                  | rPois Dex+8 Air}
359817 | Zig:15   | Identified the ring "Suysajuz" {rF- rN++ Str+6 Dex+3}
359845 | Zig:16   | Entered Level 16 of a ziggurat
360573 | Zig:16   | Identified the ring "Hauniahy" {rC+ rN+}
360583 | Zig:16   | Identified the +3 spear of Plunder {flame, rPois rF+ rC-
                  | rCorr}
360608 | Zig:16   | Identified the amulet of the Gloaming {Spirit rN+ MP-9
                  | Int+3}
360611 | Zig:16   | Identified the +3 chain mail of Qoask {-Tele rElec Will+++
                  | Str-4}
360619 | Zig:16   | Identified the ring "Conn" {rCorr MP+9 Str+3 Dex+6}
360630 | Zig:16   | Identified the ring "Ykko" {Fly Will+++ Str+6 Stlth-}
360685 | Zig:17   | Entered Level 17 of a ziggurat
360685 | Zig:17   | Noticed a dread lich
360685 | Zig:17   | Noticed a dread lich
360685 | Zig:17   | Noticed an ancient lich
360685 | Zig:17   | Noticed an ancient lich
360685 | Zig:17   | Noticed a dread lich
360685 | Zig:17   | Noticed an ancient lich
360685 | Zig:17   | Noticed a dread lich
360685 | Zig:17   | Noticed an ancient lich
360685 | Zig:17   | Noticed an ancient lich
360685 | Zig:17   | Noticed an ancient lich
360685 | Zig:17   | Noticed an ancient lich
360685 | Zig:17   | Noticed a dread lich
360685 | Zig:17   | Noticed an ancient lich
360685 | Zig:17   | Noticed a dread lich
360685 | Zig:17   | Noticed an ancient lich
360685 | Zig:17   | Noticed an ancient lich
360685 | Zig:17   | Noticed an ancient lich
360685 | Zig:17   | Noticed a dread lich
360685 | Zig:17   | Noticed an ancient lich
360685 | Zig:17   | Noticed a dread lich
360685 | Zig:17   | Noticed a dread lich
360685 | Zig:17   | Noticed a dread lich
360685 | Zig:17   | Noticed an ancient lich
360685 | Zig:17   | Noticed an ancient lich
360685 | Zig:17   | Noticed an ancient lich
360685 | Zig:17   | Noticed a dread lich
360685 | Zig:17   | Noticed a dread lich
360685 | Zig:17   | Noticed a dread lich
360685 | Zig:17   | Noticed a dread lich
360685 | Zig:17   | Noticed an ancient lich
360685 | Zig:17   | Noticed a dread lich
360686 | Zig:17   | Killed a dread lich
360686 | Zig:17   | Killed an ancient lich
360686 | Zig:17   | Killed a dread lich
360686 | Zig:17   | Killed an ancient lich
360686 | Zig:17   | Killed a dread lich
360686 | Zig:17   | Killed an ancient lich
360686 | Zig:17   | Killed an ancient lich
360686 | Zig:17   | Killed an ancient lich
360686 | Zig:17   | Killed an ancient lich
360686 | Zig:17   | Killed a dread lich
360686 | Zig:17   | Killed a dread lich
360686 | Zig:17   | Killed an ancient lich
360686 | Zig:17   | Killed a dread lich
360686 | Zig:17   | Killed a dread lich
360687 | Zig:17   | Killed an ancient lich
360687 | Zig:17   | Killed an ancient lich
360687 | Zig:17   | Killed an ancient lich
360687 | Zig:17   | Killed a dread lich
360687 | Zig:17   | Killed a dread lich
360687 | Zig:17   | Killed an ancient lich
360687 | Zig:17   | Killed a dread lich
360687 | Zig:17   | Killed an ancient lich
360687 | Zig:17   | Killed an ancient lich
360687 | Zig:17   | Killed a dread lich
360687 | Zig:17   | Killed a dread lich
360687 | Zig:17   | Killed an ancient lich
360687 | Zig:17   | Killed a dread lich
360687 | Zig:17   | Killed a dread lich
360687 | Zig:17   | Killed a dread lich
360687 | Zig:17   | Killed an ancient lich
360687 | Zig:17   | Noticed a dread lich
360687 | Zig:17   | Noticed a dread lich
360688 | Zig:17   | Noticed a dread lich
360688 | Zig:17   | Noticed a dread lich
360688 | Zig:17   | Noticed an ancient lich
360688 | Zig:17   | Noticed an ancient lich
360689 | Zig:17   | Noticed an ancient lich
360689 | Zig:17   | Noticed an ancient lich
360689 | Zig:17   | Noticed an ancient lich
360689 | Zig:17   | Noticed an ancient lich
360689 | Zig:17   | Noticed an ancient lich
360689 | Zig:17   | Noticed a dread lich
360689 | Zig:17   | Noticed a dread lich
360689 | Zig:17   | Noticed an ancient lich
360689 | Zig:17   | Noticed a dread lich
360689 | Zig:17   | Killed an ancient lich
360690 | Zig:17   | Noticed a dread lich
360691 | Zig:17   | Noticed a dread lich
360691 | Zig:17   | Noticed a dread lich
360691 | Zig:17   | Killed a dread lich
360691 | Zig:17   | Killed a dread lich
360691 | Zig:17   | Killed an ancient lich
360691 | Zig:17   | Killed an ancient lich
360691 | Zig:17   | Killed an ancient lich
360691 | Zig:17   | Killed an ancient lich
360691 | Zig:17   | Killed a dread lich
360691 | Zig:17   | Noticed a dread lich
360691 | Zig:17   | Noticed an ancient lich
360691 | Zig:17   | Noticed a dread lich
360691 | Zig:17   | Noticed an ancient lich
360691 | Zig:17   | Noticed a dread lich
360692 | Zig:17   | Noticed a dread lich
360692 | Zig:17   | Noticed an ancient lich
360693 | Zig:17   | Noticed a dread lich
360693 | Zig:17   | Noticed an ancient lich
360693 | Zig:17   | Noticed a dread lich
360693 | Zig:17   | Noticed an ancient lich
360693 | Zig:17   | Noticed an ancient lich
360693 | Zig:17   | Noticed an ancient lich
360693 | Zig:17   | Noticed a dread lich
360693 | Zig:17   | Noticed an ancient lich
360693 | Zig:17   | Noticed an ancient lich
360694 | Zig:17   | Noticed a dread lich
360694 | Zig:17   | Noticed a dread lich
360694 | Zig:17   | Noticed an ancient lich
360695 | Zig:17   | Killed a dread lich
360695 | Zig:17   | Killed an ancient lich
360695 | Zig:17   | Killed an ancient lich
360695 | Zig:17   | Killed a dread lich
360695 | Zig:17   | Killed a dread lich
360695 | Zig:17   | Killed an ancient lich
360695 | Zig:17   | Killed a dread lich
360695 | Zig:17   | Killed a dread lich
360695 | Zig:17   | Killed an ancient lich
360695 | Zig:17   | Killed an ancient lich
360695 | Zig:17   | Killed a dread lich
360695 | Zig:17   | Killed a dread lich
360695 | Zig:17   | Killed a dread lich
360695 | Zig:17   | Killed a dread lich
360695 | Zig:17   | Killed a dread lich
360695 | Zig:17   | Killed a dread lich
360695 | Zig:17   | Killed a dread lich
360695 | Zig:17   | Noticed a dread lich
360696 | Zig:17   | Noticed a dread lich
360696 | Zig:17   | Noticed an ancient lich
360696 | Zig:17   | Noticed a dread lich
360696 | Zig:17   | Noticed a dread lich
360696 | Zig:17   | Noticed a dread lich
360696 | Zig:17   | Noticed a dread lich
360696 | Zig:17   | Noticed a dread lich
360696 | Zig:17   | Noticed a dread lich
360697 | Zig:17   | Noticed an ancient lich
360697 | Zig:17   | Noticed a dread lich
360697 | Zig:17   | Noticed a dread lich
360697 | Zig:17   | Noticed an ancient lich
360697 | Zig:17   | Noticed an ancient lich
360698 | Zig:17   | Killed an ancient lich
360698 | Zig:17   | Killed an ancient lich
360698 | Zig:17   | Killed a dread lich
360698 | Zig:17   | Killed a dread lich
360698 | Zig:17   | Killed an ancient lich
360698 | Zig:17   | Killed an ancient lich
360698 | Zig:17   | Killed a dread lich
360698 | Zig:17   | Killed an ancient lich
360698 | Zig:17   | Killed an ancient lich
360698 | Zig:17   | Killed a dread lich
360698 | Zig:17   | Killed an ancient lich
360698 | Zig:17   | Killed a dread lich
360698 | Zig:17   | Killed a dread lich
360698 | Zig:17   | Killed an ancient lich
360698 | Zig:17   | Killed a dread lich
360698 | Zig:17   | Killed an ancient lich
360698 | Zig:17   | Killed an ancient lich
360698 | Zig:17   | Noticed a dread lich
360699 | Zig:17   | Noticed an ancient lich
360699 | Zig:17   | Noticed a dread lich
360699 | Zig:17   | Noticed an ancient lich
360699 | Zig:17   | Noticed an ancient lich
360699 | Zig:17   | Noticed an ancient lich
360699 | Zig:17   | Noticed an ancient lich
360699 | Zig:17   | Noticed a dread lich
360699 | Zig:17   | Noticed a dread lich
360699 | Zig:17   | Noticed an ancient lich
360701 | Zig:17   | Killed a dread lich
360701 | Zig:17   | Killed a dread lich
360701 | Zig:17   | Killed a dread lich
360701 | Zig:17   | Killed an ancient lich
360701 | Zig:17   | Killed a dread lich
360701 | Zig:17   | Killed a dread lich
360701 | Zig:17   | Killed a dread lich
360701 | Zig:17   | Killed a dread lich
360701 | Zig:17   | Killed an ancient lich
360701 | Zig:17   | Killed an ancient lich
360701 | Zig:17   | Killed an ancient lich
360701 | Zig:17   | Killed an ancient lich
360701 | Zig:17   | Killed a dread lich
360701 | Zig:17   | Noticed an ancient lich
360701 | Zig:17   | Noticed an ancient lich
360701 | Zig:17   | Noticed a dread lich
360701 | Zig:17   | Noticed a dread lich
360701 | Zig:17   | Noticed an ancient lich
360702 | Zig:17   | Noticed a dread lich
360702 | Zig:17   | Noticed an ancient lich
360702 | Zig:17   | Noticed an ancient lich
360702 | Zig:17   | Noticed an ancient lich
360703 | Zig:17   | Noticed an ancient lich
360703 | Zig:17   | Noticed a dread lich
360703 | Zig:17   | Noticed a dread lich
360703 | Zig:17   | Noticed an ancient lich
360704 | Zig:17   | Noticed an ancient lich
360704 | Zig:17   | Noticed a dread lich
360704 | Zig:17   | Noticed a dread lich
360704 | Zig:17   | Killed an ancient lich
360704 | Zig:17   | Killed a dread lich
360704 | Zig:17   | Killed a dread lich
360704 | Zig:17   | Killed an ancient lich
360704 | Zig:17   | Killed a dread lich
360704 | Zig:17   | Killed an ancient lich
360704 | Zig:17   | Killed a dread lich
360704 | Zig:17   | Killed an ancient lich
360704 | Zig:17   | Killed an ancient lich
360704 | Zig:17   | Killed a dread lich
360704 | Zig:17   | Killed a dread lich
360704 | Zig:17   | Killed a dread lich
360704 | Zig:17   | Noticed an ancient lich
360704 | Zig:17   | Noticed an ancient lich
360704 | Zig:17   | Noticed an ancient lich
360705 | Zig:17   | Noticed an ancient lich
360705 | Zig:17   | Noticed a dread lich
360705 | Zig:17   | Noticed an ancient lich
360705 | Zig:17   | Noticed a dread lich
360705 | Zig:17   | Noticed an ancient lich
360706 | Zig:17   | Noticed an ancient lich
360706 | Zig:17   | Noticed a dread lich
360706 | Zig:17   | Noticed an ancient lich
360706 | Zig:17   | Noticed an ancient lich
360706 | Zig:17   | Noticed a dread lich
360706 | Zig:17   | Noticed a dread lich
360706 | Zig:17   | Noticed a dread lich
360706 | Zig:17   | Noticed a dread lich
360706 | Zig:17   | Noticed a dread lich
360707 | Zig:17   | Noticed an ancient lich
360707 | Zig:17   | Killed an ancient lich
360707 | Zig:17   | Killed an ancient lich
360707 | Zig:17   | Killed an ancient lich
360707 | Zig:17   | Killed an ancient lich
360707 | Zig:17   | Killed an ancient lich
360707 | Zig:17   | Killed an ancient lich
360707 | Zig:17   | Killed an ancient lich
360707 | Zig:17   | Killed an ancient lich
360707 | Zig:17   | Killed an ancient lich
360707 | Zig:17   | Killed an ancient lich
360707 | Zig:17   | Killed an ancient lich
360707 | Zig:17   | Killed an ancient lich
360707 | Zig:17   | Killed an ancient lich
360707 | Zig:17   | Killed a dread lich
360707 | Zig:17   | Killed a dread lich
360707 | Zig:17   | Killed an ancient lich
360707 | Zig:17   | Killed a dread lich
360707 | Zig:17   | Noticed a dread lich
360707 | Zig:17   | Noticed a dread lich
360707 | Zig:17   | Noticed a dread lich
360707 | Zig:17   | Noticed a dread lich
360709 | Zig:17   | Killed a dread lich
360710 | Zig:17   | Killed a dread lich
360710 | Zig:17   | Killed a dread lich
360710 | Zig:17   | Killed a dread lich
360710 | Zig:17   | Killed a dread lich
360710 | Zig:17   | Killed an ancient lich
360710 | Zig:17   | Killed an ancient lich
360710 | Zig:17   | Killed a dread lich
360710 | Zig:17   | Killed an ancient lich
360710 | Zig:17   | Killed a dread lich
360710 | Zig:17   | Killed a dread lich
360710 | Zig:17   | Killed an ancient lich
360710 | Zig:17   | Noticed a dread lich
360710 | Zig:17   | Noticed an ancient lich
360710 | Zig:17   | Noticed an ancient lich
360711 | Zig:17   | Noticed an ancient lich
360711 | Zig:17   | Noticed a dread lich
360711 | Zig:17   | Noticed an ancient lich
360711 | Zig:17   | Noticed a dread lich
360711 | Zig:17   | Noticed a dread lich
360712 | Zig:17   | Noticed a dread lich
360712 | Zig:17   | Noticed an ancient lich
360713 | Zig:17   | Noticed an ancient lich
360713 | Zig:17   | Noticed a dread lich
360714 | Zig:17   | Killed a dread lich
360714 | Zig:17   | Killed an ancient lich
360714 | Zig:17   | Killed an ancient lich
360714 | Zig:17   | Killed a dread lich
360714 | Zig:17   | Killed a dread lich
360714 | Zig:17   | Killed a dread lich
360714 | Zig:17   | Killed a dread lich
360714 | Zig:17   | Killed an ancient lich
360714 | Zig:17   | Killed an ancient lich
360714 | Zig:17   | Killed a dread lich
360714 | Zig:17   | Killed a dread lich
360715 | Zig:17   | Noticed an ancient lich
360715 | Zig:17   | Noticed a dread lich
360715 | Zig:17   | Noticed an ancient lich
360715 | Zig:17   | Noticed a dread lich
360715 | Zig:17   | Noticed a dread lich
360716 | Zig:17   | Noticed an ancient lich
360716 | Zig:17   | Noticed a dread lich
360717 | Zig:17   | Killed an ancient lich
360717 | Zig:17   | Killed a dread lich
360717 | Zig:17   | Killed a dread lich
360717 | Zig:17   | Killed an ancient lich
360717 | Zig:17   | Killed a dread lich
360717 | Zig:17   | Killed an ancient lich
360717 | Zig:17   | Killed a dread lich
360717 | Zig:17   | Killed a dread lich
360718 | Zig:17   | Noticed an ancient lich
360718 | Zig:17   | Noticed an ancient lich
360718 | Zig:17   | Noticed a dread lich
360718 | Zig:17   | Noticed an ancient lich
360719 | Zig:17   | Noticed a dread lich
360719 | Zig:17   | Noticed an ancient lich
360720 | Zig:17   | Killed an ancient lich
360720 | Zig:17   | Killed a dread lich
360720 | Zig:17   | Killed a dread lich
360720 | Zig:17   | Killed an ancient lich
360720 | Zig:17   | Killed an ancient lich
360720 | Zig:17   | Killed an ancient lich
360723 | Zig:17   | Killed a dread lich
360723 | Zig:17   | Killed an ancient lich
360723 | Zig:17   | Killed an ancient lich
360726 | Zig:17   | Killed a dread lich
360727 | Zig:17   | Identified the +0 shortbow of Jyor {drain, Str+4 Dex+4}
360733 | Zig:17   | Identified the staff of the Morning {Conj Earth}
360802 | Zig:17   | Identified the ring "Taodan" {rF++ rN+ Int+5 Dex+3}
360818 | Zig:17   | Identified the +5 cloak of the Eight Interlopers {Str+3
                  | Int+3 Dex+3 SInv}
360916 | Zig:17   | Identified the +7 battleaxe of an ossuary {flame, rF+}
360931 | Zig:17   | Identified the scarf of Sin {+Inv, Rampage rC- MP+9 Dex+7}
361487 | Zig:17   | Identified the +10 great mace "Epahoquggu" {vamp, +Blink
                  | Will- Int+2}
361488 | Zig:17   | Identified the +1 ring mail of Trial and Error {rF+ Will+
                  | Int+2}
361532 | Zig:18   | Entered Level 18 of a ziggurat
362330 | Zig:18   | Identified the ring of Qienuzxo {^Drain rF+ Will+ Dex+6}
362337 | Zig:18   | Identified the +9 rapier of Dung {freeze, *Corrode Int+4
                  | Dex+5}
362357 | Zig:18   | Identified the +4 long sword "Gastruix" {drain, Str+7 Int+2
                  | SInv Stlth-}
362379 | Zig:18   | Identified the +4 arbalest of Patterns {penet, Str+6}
362392 | Zig:18   | Identified the +2 falchion of Venteciv {chaos, rF+++ Will-
                  | Dex+3 Stlth-}
362432 | Zig:18   | Identified the +0 pair of gloves of Vanity {rCorr Int+3}
362440 | Zig:18   | Identified the amulet "Qideur" {Acrobat rElec}
362498 | Zig:18   | Identified the ring of Pessimism {rPois Int+6 Dex+3}
362503 | Zig:18   | Identified the +1 chain mail of Varoogonn {+Blink rF- rN+
                  | Dex+3}
362569 | Zig:19   | Entered Level 19 of a ziggurat
362729 | Zig:19   | Identified the ring "Raoninei" {Will+ rCorr AC+4 Str+3
                  | Slay-6}
362733 | Zig:19   | Identified the +5 scimitar of Xom {flame, Will+ Dex+3
                  | Stlth+}
362749 | Zig:19   | Identified the +0 scale mail of Good Intentions {rF+++
                  | Int+4 Dex-2}
362821 | Zig:19   | Identified the +5 orcbow "Iklif" {freeze, rC- rN++}
362823 | Zig:19   | Identified the +0 executioner's axe of Plog {freeze, rF++
                  | Will- rCorr Str-5}
362827 | Zig:19   | Identified the +3 short sword of the Thoughtful Queens
                  | {freeze, ^Drain rC+ Will++ Str+3}
362850 | Zig:19   | Identified the +2 falchion "Jellybane" {freeze, *Slow rCorr
                  | Dex-5 Stlth+}
363605 | Zig:19   | Identified the staff of Gurifrow {rF+ Str+2 Necro Fire}
363616 | Zig:20   | Entered Level 20 of a ziggurat
363648 | Zig:20   | Noticed Vuiteriph the pandemonium lord
363654 | Zig:20   | Killed Vuiteriph the pandemonium lord
364506 | Zig:20   | Identified the +3 pair of gloves of the Endless Expanse
                  | {Dex+5}
364507 | Zig:20   | Identified the staff "Ankytur" {rF+ Int+5 Fire}
364637 | Zig:21   | Entered Level 21 of a ziggurat
364678 | Zig:21   | Identified the +7 dagger of Ravage {freeze, Int+3}
364683 | Zig:21   | Identified the +0 mace of a volcano {antimagic, ^Contam
                  | rElec Int+3}
364742 | Zig:21   | Identified the staff "Xestea" {*Slow rElec rC+ Str+3 Dex+3
                  | Air Earth}
364743 | Zig:21   | Identified the +2 pair of gloves "Rentiz" {rC+ Dex+2}
364827 | Zig:21   | Identified the +2 quarterstaff "Nudeigah" {antimagic, rPois
                  | rF++ SInv}
364829 | Zig:21   | Identified the staff of Fedhas's Hatred {rElec rPois Hexes
                  | Air}
364841 | Zig:21   | Identified the staff "Ligyb" {rN+ Str+3 Dex+2 Necro}
364845 | Zig:21   | Identified the +1 quarterstaff "Gargoyle's Peril" {vamp,
                  | Fly rPois Int+3}
364849 | Zig:21   | Identified the +0 ring mail of Whack-A-Mole {*Corrode rC+
                  | Str+4 Dex+2}
364851 | Zig:21   | Identified the +3 scale mail of the Sea {Str+2 Int+3}
364853 | Zig:21   | Identified the ring of Yxosug {rPois rF+ rC- Str+4 Int+6}
364861 | Zig:21   | Identified the amulet of Lyisego {Reflect Int+3 Dex+3 SH+5}
364870 | Zig:21   | Identified the ring of Doetsao {Ice Str+3 Dex-3 Slay+4
                  | Stlth+}
364894 | Zig:21   | Identified the +1 lajatang of Conflict {holy, rF+ rC+
                  | Str+6}
364897 | Zig:21   | Identified the ring "Facw" {rPois rCorr Str+3 Dex+5}
365034 | Zig:21   | Identified the ring of Jarphan {*Corrode +Blink rPois Str+6
                  | Int-5}
365165 | Zig:21   | Identified the +1 plate armour "Esahugro" {Harm}
365167 | Zig:21   | Identified the +7 great mace of Oxogirah {venom, rC+ Str+3}
365951 | Zig:22   | Entered Level 22 of a ziggurat
366682 | Zig:22   | Identified the +3 dagger "Ysunec" {pain, *Rage rC+ rN++
                  | Will+}
366706 | Zig:22   | Identified the ring "Immy" {Fire Str+5}
366708 | Zig:22   | Identified the +0 rapier of a sewer {freeze, ^Fragile rElec
                  | rF++ Int+3}
366716 | Zig:22   | Identified the +9 arbalest "Zimatehe" {penet, rElec rF+
                  | Str-5 Dex+3}
366725 | Zig:22   | Identified the +0 barding of Zyladwof {Harm}
366735 | Zig:22   | Identified the ring "Amest" {Ice +Blink}
366747 | Zig:22   | Identified the +10 hand axe of the Fifty Moons {heavy,
                  | Int+6}
366767 | Zig:22   | Identified the +10 quarterstaff of the Muttering Asp
                  | {flame, rC++ rN+++ SInv Stlth-}
366771 | Zig:22   | Identified the ring "Suph" {Ice Str+2 Dex+3}
366775 | Zig:22   | Identified the staff of Peril {rElec rN++ Dex+3 Stlth- Summ
                  | Air}
366781 | Zig:22   | Identified the +1 robe "Gesolaezuf" {Will++ Regen+}
366784 | Zig:22   | Identified the staff of Yshrucwar {rElec rN+ Conj Necro}
366787 | Zig:22   | Identified the ring "Vagom" {Str+3 Dex+6}
366799 | Zig:22   | Identified the +3 arbalest "Terchosuy" {antimagic, rCorr}
366802 | Zig:22   | Identified the +7 orcbow "Feluasum" {freeze, rN+ Str+3
                  | Int+3}
366815 | Zig:22   | Identified the +1 pair of boots "Somniwnyr" {rPois rC-
                  | Dex+3}
366821 | Zig:22   | Identified the +1 spear "Xyah" {flame, rPois rF+ Stlth+}
366900 | Zig:23   | Entered Level 23 of a ziggurat
366902 | Zig:23   | Noticed Xuvapn the pandemonium lord
366902 | Zig:23   | Noticed Jobbolos the pandemonium lord
366902 | Zig:23   | Noticed Wips the pandemonium lord
366902 | Zig:23   | Noticed Qecweogai the pandemonium lord
366902 | Zig:23   | Noticed Wocore the pandemonium lord
366902 | Zig:23   | Noticed Zaklain the pandemonium lord
366903 | Zig:23   | Noticed Feshry Zari the pandemonium lord
366903 | Zig:23   | Noticed Oxkugg the pandemonium lord
366903 | Zig:23   | Noticed Nuokkua the pandemonium lord
366903 | Zig:23   | Noticed Jiniadul the pandemonium lord
366903 | Zig:23   | Noticed Gidghat the pandemonium lord
366903 | Zig:23   | Noticed Nabreaji the pandemonium lord
366903 | Zig:23   | Noticed Obbof the pandemonium lord
366904 | Zig:23   | Noticed Moamunt the pandemonium lord
366904 | Zig:23   | Noticed Pamoar the pandemonium lord
366904 | Zig:23   | Noticed Jytoif the pandemonium lord
366904 | Zig:23   | Noticed Ciwnenyo the pandemonium lord
366904 | Zig:23   | Noticed Vieh the pandemonium lord
366904 | Zig:23   | Noticed Ifeasyf the pandemonium lord
366904 | Zig:23   | Noticed Icisch the pandemonium lord
366904 | Zig:23   | Noticed Qecraewk the pandemonium lord
366905 | Zig:23   | Noticed Kiexyas the pandemonium lord
366905 | Zig:23   | Noticed Suhik the pandemonium lord
366905 | Zig:23   | Noticed Irenyph the pandemonium lord
366905 | Zig:23   | Noticed Poeshreji the pandemonium lord
366905 | Zig:23   | Noticed Fyemon the pandemonium lord
366905 | Zig:23   | Noticed Wiriydam the pandemonium lord
366906 | Zig:23   | Killed Jobbolos the pandemonium lord
366906 | Zig:23   | Killed Wips the pandemonium lord
366906 | Zig:23   | Noticed Retyrph the pandemonium lord
366907 | Zig:23   | Noticed Hien Qasott the pandemonium lord
366907 | Zig:23   | Noticed Umyczeapua the pandemonium lord
366907 | Zig:23   | Killed Poeshreji the pandemonium lord
366907 | Zig:23   | Killed Suhik the pandemonium lord
366907 | Zig:23   | Killed Wocore the pandemonium lord
366907 | Zig:23   | Killed Qecweogai the pandemonium lord
366907 | Zig:23   | Killed Oxkugg the pandemonium lord
366907 | Zig:23   | Killed Vieh the pandemonium lord
366907 | Zig:23   | Killed Qecraewk the pandemonium lord
366907 | Zig:23   | Killed Nabreaji the pandemonium lord
366907 | Zig:23   | Killed Feshry Zari the pandemonium lord
366907 | Zig:23   | Killed Pamoar the pandemonium lord
366907 | Zig:23   | Noticed Qosuism the pandemonium lord
366908 | Zig:23   | Killed Jiniadul the pandemonium lord
366908 | Zig:23   | Killed Ciwnenyo the pandemonium lord
366908 | Zig:23   | Killed Gidghat the pandemonium lord
366908 | Zig:23   | Killed Retyrph the pandemonium lord
366908 | Zig:23   | Noticed Jeesis the pandemonium lord
366908 | Zig:23   | Noticed Cybboppa the pandemonium lord
366908 | Zig:23   | Noticed Bes Idem the pandemonium lord
366908 | Zig:23   | Noticed Xoesk the pandemonium lord
366908 | Zig:23   | Noticed Lorelet the pandemonium lord
366909 | Zig:23   | Killed Jytoif the pandemonium lord
366909 | Zig:23   | Killed Zaklain the pandemonium lord
366909 | Zig:23   | Killed Xuvapn the pandemonium lord
366909 | Zig:23   | Noticed Giug the pandemonium lord
366909 | Zig:23   | Noticed Qytuih Ocugh the pandemonium lord
366909 | Zig:23   | Noticed Urupsio the pandemonium lord
366910 | Zig:23   | Killed Fyemon the pandemonium lord
366910 | Zig:23   | Killed Ifeasyf the pandemonium lord
366910 | Zig:23   | Noticed Weh Cucs the pandemonium lord
366910 | Zig:23   | Killed Jeesis the pandemonium lord
366911 | Zig:23   | Noticed Jofer the pandemonium lord
366911 | Zig:23   | Noticed Emegg the pandemonium lord
366911 | Zig:23   | Noticed Mounn the pandemonium lord
366911 | Zig:23   | Noticed Qirelaot the pandemonium lord
366911 | Zig:23   | Noticed Ulaosk the pandemonium lord
366911 | Zig:23   | Noticed Napsam the pandemonium lord
366911 | Zig:23   | Noticed Maikk the pandemonium lord
366912 | Zig:23   | Noticed Jebelad the pandemonium lord
366912 | Zig:23   | Noticed Saruugog the pandemonium lord
366912 | Zig:23   | Killed Nuokkua the pandemonium lord
366912 | Zig:23   | Killed Kiexyas the pandemonium lord
366912 | Zig:23   | Killed Moamunt the pandemonium lord
366912 | Zig:23   | Killed Xoesk the pandemonium lord
366912 | Zig:23   | Killed Irenyph the pandemonium lord
366912 | Zig:23   | Noticed Luby Cao the pandemonium lord
366913 | Zig:23   | Noticed Poexumuc the pandemonium lord
366913 | Zig:23   | Noticed Duabbara the pandemonium lord
366913 | Zig:23   | Killed Umyczeapua the pandemonium lord
366913 | Zig:23   | Killed Hien Qasott the pandemonium lord
366913 | Zig:23   | Noticed Winiorer the pandemonium lord
366914 | Zig:23   | Noticed Reuk Eco the pandemonium lord
366914 | Zig:23   | Killed Ulaosk the pandemonium lord
366914 | Zig:23   | Killed Jebelad the pandemonium lord
366914 | Zig:23   | Killed Qosuism the pandemonium lord
366914 | Zig:23   | Noticed Tynua the pandemonium lord
366914 | Zig:23   | Noticed Reotz the pandemonium lord
366915 | Zig:23   | Noticed Cimasye the pandemonium lord
366915 | Zig:23   | Killed Jofer the pandemonium lord
366915 | Zig:23   | Killed Wiriydam the pandemonium lord
366915 | Zig:23   | Killed Giug the pandemonium lord
366915 | Zig:23   | Killed Bes Idem the pandemonium lord
366915 | Zig:23   | Noticed Ymeliyq the pandemonium lord
366915 | Zig:23   | Noticed Sexi the pandemonium lord
366915 | Zig:23   | Noticed Kyamomoo the pandemonium lord
366915 | Zig:23   | Noticed Qicist the pandemonium lord
366916 | Zig:23   | Killed Mounn the pandemonium lord
366917 | Zig:23   | Killed Lorelet the pandemonium lord
366917 | Zig:23   | Killed Tynua the pandemonium lord
366917 | Zig:23   | Killed Reuk Eco the pandemonium lord
366917 | Zig:23   | Noticed Cetal the pandemonium lord
366917 | Zig:23   | Noticed Tabukysm the pandemonium lord
366917 | Zig:23   | Noticed Ycho the pandemonium lord
366918 | Zig:23   | Noticed Ytiekuwk the pandemonium lord
366918 | Zig:23   | Killed Qirelaot the pandemonium lord
366918 | Zig:23   | Killed Saruugog the pandemonium lord
366918 | Zig:23   | Killed Emegg the pandemonium lord
366918 | Zig:23   | Killed Obbof the pandemonium lord
366918 | Zig:23   | Killed Napsam the pandemonium lord
366918 | Zig:23   | Noticed Ucalihet the pandemonium lord
366918 | Zig:23   | Killed Qytuih Ocugh the pandemonium lord
366918 | Zig:23   | Noticed Soig the pandemonium lord
366918 | Zig:23   | Noticed Omeptaut the pandemonium lord
366919 | Zig:23   | Noticed Egroesig the pandemonium lord
366919 | Zig:23   | Killed Poexumuc the pandemonium lord
366919 | Zig:23   | Killed Winiorer the pandemonium lord
366919 | Zig:23   | Killed Maikk the pandemonium lord
366920 | Zig:23   | Killed Ymeliyq the pandemonium lord
366920 | Zig:23   | Killed Luby Cao the pandemonium lord
366920 | Zig:23   | Killed Cybboppa the pandemonium lord
366920 | Zig:23   | Killed Cetal the pandemonium lord
366920 | Zig:23   | Noticed Faeshul the pandemonium lord
366920 | Zig:23   | Noticed Lumu Leavi the pandemonium lord
366920 | Zig:23   | Noticed Iweatuoc the pandemonium lord
366921 | Zig:23   | Noticed Vaut the pandemonium lord
366921 | Zig:23   | Noticed Toucuig the pandemonium lord
366922 | Zig:23   | Noticed Vovoages the pandemonium lord
366922 | Zig:23   | Killed Kyamomoo the pandemonium lord
366922 | Zig:23   | Killed Qicist the pandemonium lord
366922 | Zig:23   | Killed Duabbara the pandemonium lord
366922 | Zig:23   | Killed Tabukysm the pandemonium lord
366922 | Zig:23   | Killed Reotz the pandemonium lord
366922 | Zig:23   | Noticed Finwiuz the pandemonium lord
366923 | Zig:23   | Killed Weh Cucs the pandemonium lord
366923 | Zig:23   | Killed Sexi the pandemonium lord
366923 | Zig:23   | Noticed Ubum the pandemonium lord
366923 | Zig:23   | Noticed Kumorie the pandemonium lord
366923 | Zig:23   | Noticed Ubozxiat the pandemonium lord
366924 | Zig:23   | Noticed Cumiw the pandemonium lord
366924 | Zig:23   | Noticed Caocs the pandemonium lord
366924 | Zig:23   | Noticed Zaum the pandemonium lord
366924 | Zig:23   | Noticed Souclys the pandemonium lord
366924 | Zig:23   | Noticed Ushraol the pandemonium lord
366925 | Zig:23   | Killed Iweatuoc the pandemonium lord
366925 | Zig:23   | Killed Cimasye the pandemonium lord
366925 | Zig:23   | Noticed Xeoddeit the pandemonium lord
366926 | Zig:23   | Killed Ucalihet the pandemonium lord
366926 | Zig:23   | Killed Lumu Leavi the pandemonium lord
366926 | Zig:23   | Killed Toucuig the pandemonium lord
366926 | Zig:23   | Killed Ytiekuwk the pandemonium lord
366926 | Zig:23   | Killed Vaut the pandemonium lord
366926 | Zig:23   | Killed Icisch the pandemonium lord
366926 | Zig:23   | Killed Faeshul the pandemonium lord
366926 | Zig:23   | Noticed Hoiqex the pandemonium lord
366926 | Zig:23   | Noticed Selister the pandemonium lord
366927 | Zig:23   | Noticed Ynkey the pandemonium lord
366927 | Zig:23   | Noticed Kuxtuli the pandemonium lord
366927 | Zig:23   | Killed Egroesig the pandemonium lord
366927 | Zig:23   | Killed Omeptaut the pandemonium lord
366927 | Zig:23   | Killed Ubum the pandemonium lord
366927 | Zig:23   | Killed Zaum the pandemonium lord
366927 | Zig:23   | Killed Souclys the pandemonium lord
366927 | Zig:23   | Killed Cumiw the pandemonium lord
366927 | Zig:23   | Killed Ushraol the pandemonium lord
366927 | Zig:23   | Noticed Cosutak the pandemonium lord
366927 | Zig:23   | Killed Selister the pandemonium lord
366927 | Zig:23   | Noticed Boyff the pandemonium lord
366927 | Zig:23   | Noticed Lawkey the pandemonium lord
366928 | Zig:23   | Noticed Basosiux the pandemonium lord
366928 | Zig:23   | Noticed Waejuol the pandemonium lord
366928 | Zig:23   | Noticed Povoga the pandemonium lord
366928 | Zig:23   | Noticed Ajagoorock the pandemonium lord
366929 | Zig:23   | Noticed Fust the pandemonium lord
366929 | Zig:23   | Noticed Hothotaj the pandemonium lord
366929 | Zig:23   | Noticed Ummu the pandemonium lord
366929 | Zig:23   | Noticed Hoec the pandemonium lord
366929 | Zig:23   | Noticed Rahey the pandemonium lord
366929 | Zig:23   | Noticed Riuhef the pandemonium lord
366929 | Zig:23   | Noticed Pabbi the pandemonium lord
366929 | Zig:23   | Noticed Livan the pandemonium lord
366930 | Zig:23   | Noticed Kuhio the pandemonium lord
366931 | Zig:23   | Noticed Zayfuorch the pandemonium lord
366931 | Zig:23   | Killed Soig the pandemonium lord
366931 | Zig:23   | Killed Finwiuz the pandemonium lord
366931 | Zig:23   | Killed Ycho the pandemonium lord
366931 | Zig:23   | Killed Pabbi the pandemonium lord
366931 | Zig:23   | Noticed Xisoc the pandemonium lord
366931 | Zig:23   | Noticed Iloufo the pandemonium lord
366931 | Zig:23   | Killed Hoiqex the pandemonium lord
366932 | Zig:23   | Noticed Arysithre the pandemonium lord
366932 | Zig:23   | Noticed Cigairph the pandemonium lord
366932 | Zig:23   | Noticed Fidouts the pandemonium lord
366932 | Zig:23   | Noticed Wausan the pandemonium lord
366932 | Zig:23   | Noticed Kebost the pandemonium lord
366932 | Zig:23   | Noticed Hiukkan the pandemonium lord
366933 | Zig:23   | Noticed Quoqafua the pandemonium lord
366933 | Zig:23   | Noticed Ixumibih the pandemonium lord
366933 | Zig:23   | Noticed Coytib the pandemonium lord
366933 | Zig:23   | Killed Livan the pandemonium lord
366933 | Zig:23   | Killed Ajagoorock the pandemonium lord
366933 | Zig:23   | Killed Lawkey the pandemonium lord
366933 | Zig:23   | Killed Boyff the pandemonium lord
366933 | Zig:23   | Killed Urupsio the pandemonium lord
366933 | Zig:23   | Killed Ubozxiat the pandemonium lord
366933 | Zig:23   | Killed Tiod the pandemonium lord
366933 | Zig:23   | Noticed Juit the pandemonium lord
366934 | Zig:23   | Noticed Uwoof the pandemonium lord
366934 | Zig:23   | Killed Ummu the pandemonium lord
366934 | Zig:23   | Killed Iloufo the pandemonium lord
366934 | Zig:23   | Killed Hothotaj the pandemonium lord
366934 | Zig:23   | Killed Riuhef the pandemonium lord
366934 | Zig:23   | Killed Xeoddeit the pandemonium lord
366934 | Zig:23   | Killed Hiukkan the pandemonium lord
366934 | Zig:23   | Killed Kuhio the pandemonium lord
366934 | Zig:23   | Killed Caocs the pandemonium lord
366935 | Zig:23   | Noticed Zorrig the pandemonium lord
366935 | Zig:23   | Killed Waejuol the pandemonium lord
366935 | Zig:23   | Killed Fust the pandemonium lord
366935 | Zig:23   | Killed Kuxtuli the pandemonium lord
366935 | Zig:23   | Killed Vovoages the pandemonium lord
366935 | Zig:23   | Killed Ixumibih the pandemonium lord
366935 | Zig:23   | Killed Cigairph the pandemonium lord
366935 | Zig:23   | Killed Kumorie the pandemonium lord
366935 | Zig:23   | Noticed Koeb the pandemonium lord
366935 | Zig:23   | Noticed Kaantelo the pandemonium lord
366936 | Zig:23   | Noticed Oriyckof the pandemonium lord
366936 | Zig:23   | Noticed Feijofemn the pandemonium lord
366936 | Zig:23   | Noticed Veceq the pandemonium lord
366936 | Zig:23   | Noticed Reitwu the pandemonium lord
366936 | Zig:23   | Noticed Ontuul the pandemonium lord
366936 | Zig:23   | Noticed Subrouhe the pandemonium lord
366936 | Zig:23   | Noticed Gaobbeud the pandemonium lord
366936 | Zig:23   | Noticed Xeriant the pandemonium lord
366936 | Zig:23   | Noticed Gidilihe the pandemonium lord
366936 | Zig:23   | Killed Juit the pandemonium lord
366936 | Zig:23   | Noticed Kiongaph the pandemonium lord
366937 | Zig:23   | Noticed Hale the pandemonium lord
366937 | Zig:23   | Noticed Kehegh the pandemonium lord
366937 | Zig:23   | Killed Hoec the pandemonium lord
366937 | Zig:23   | Noticed Denn the pandemonium lord
366938 | Zig:23   | Killed Xisoc the pandemonium lord
366938 | Zig:23   | Killed Quoqafua the pandemonium lord
366938 | Zig:23   | Killed Coytib the pandemonium lord
366938 | Zig:23   | Killed Denn the pandemonium lord
366938 | Zig:23   | Killed Fidouts the pandemonium lord
366938 | Zig:23   | Killed Kebost the pandemonium lord
366938 | Zig:23   | Noticed Vacennei the pandemonium lord
366938 | Zig:23   | Noticed Jistad the pandemonium lord
366938 | Zig:23   | Noticed Lushaucs the pandemonium lord
366938 | Zig:23   | Noticed Runanwub the pandemonium lord
366938 | Zig:23   | Noticed Hoiplyin the pandemonium lord
366939 | Zig:23   | Noticed Qinumar the pandemonium lord
366939 | Zig:23   | Killed Ynkey the pandemonium lord
366939 | Zig:23   | Killed Basosiux the pandemonium lord
366939 | Zig:23   | Killed Zayfuorch the pandemonium lord
366939 | Zig:23   | Noticed Celatyij the pandemonium lord
366939 | Zig:23   | Killed Xeriant the pandemonium lord
366939 | Zig:23   | Noticed Ofuoluet the pandemonium lord
366940 | Zig:23   | Noticed Tuyczi the pandemonium lord
366940 | Zig:23   | Noticed Betiere the pandemonium lord
366940 | Zig:23   | Noticed Vanom the pandemonium lord
366940 | Zig:23   | Noticed Uqacil the pandemonium lord
366940 | Zig:23   | Noticed Ihaongyl the pandemonium lord
366940 | Zig:23   | Noticed Vodaor the pandemonium lord
366940 | Zig:23   | Noticed Ysseh the pandemonium lord
366940 | Zig:23   | Noticed Momymu the pandemonium lord
366940 | Zig:23   | Noticed Voelaobe the pandemonium lord
366940 | Zig:23   | Killed Hale the pandemonium lord
366940 | Zig:23   | Killed Zorrig the pandemonium lord
366940 | Zig:23   | Noticed Lutiph the pandemonium lord
366940 | Zig:23   | Noticed Zosoc the pandemonium lord
366940 | Zig:23   | Noticed Juedosh the pandemonium lord
366940 | Zig:23   | Noticed Lorepukh the pandemonium lord
366941 | Zig:23   | Killed Arysithre the pandemonium lord
366941 | Zig:23   | Killed Kaantelo the pandemonium lord
366941 | Zig:23   | Killed Ontuul the pandemonium lord
366941 | Zig:23   | Killed Koeb the pandemonium lord
366941 | Zig:23   | Killed Voelaobe the pandemonium lord
366941 | Zig:23   | Killed Lushaucs the pandemonium lord
366941 | Zig:23   | Killed Ofuoluet the pandemonium lord
366941 | Zig:23   | Noticed Enejup the pandemonium lord
366941 | Zig:23   | Noticed Olyshidgh the pandemonium lord
366941 | Zig:23   | Noticed Omuxesh the pandemonium lord
366941 | Zig:23   | Noticed Uhogoduq the pandemonium lord
366942 | Zig:23   | Noticed Luminuk the pandemonium lord
366942 | Zig:23   | Noticed Musukh the pandemonium lord
366942 | Zig:23   | Noticed Futtaile the pandemonium lord
366942 | Zig:23   | Noticed Bez Rokis the pandemonium lord
366942 | Zig:23   | Noticed Azaleo Upye the pandemonium lord
366942 | Zig:23   | Noticed Nymoun the pandemonium lord
366942 | Zig:23   | Killed Lorepukh the pandemonium lord
366943 | Zig:23   | Killed Rahey the pandemonium lord
366943 | Zig:23   | Killed Feijofemn the pandemonium lord
366943 | Zig:23   | Killed Uqacil the pandemonium lord
366943 | Zig:23   | Killed Musukh the pandemonium lord
366943 | Zig:23   | Killed Vanom the pandemonium lord
366943 | Zig:23   | Killed Subrouhe the pandemonium lord
366943 | Zig:23   | Killed Ihaongyl the pandemonium lord
366943 | Zig:23   | Noticed Koukli the pandemonium lord
366943 | Zig:23   | Noticed Peakedyi the pandemonium lord
366944 | Zig:23   | Killed Celatyij the pandemonium lord
366944 | Zig:23   | Killed Zosoc the pandemonium lord
366944 | Zig:23   | Killed Bez Rokis the pandemonium lord
366944 | Zig:23   | Killed Nymoun the pandemonium lord
366944 | Zig:23   | Killed Povoga the pandemonium lord
366944 | Zig:23   | Killed Gidilihe the pandemonium lord
366944 | Zig:23   | Killed Vodaor the pandemonium lord
366944 | Zig:23   | Killed Wausan the pandemonium lord
366944 | Zig:23   | Noticed Ynaacyur the pandemonium lord
366944 | Zig:23   | Noticed Ciurheg the pandemonium lord
366944 | Zig:23   | Noticed Ynteg the pandemonium lord
366944 | Zig:23   | Noticed Siqekar the pandemonium lord
366944 | Zig:23   | Noticed Onydicw the pandemonium lord
366944 | Zig:23   | Noticed Daaxkimy the pandemonium lord
366944 | Zig:23   | Noticed Zasilov the pandemonium lord
366945 | Zig:23   | Noticed Qiusopp the pandemonium lord
366945 | Zig:23   | Noticed Ihoamien the pandemonium lord
366945 | Zig:23   | Killed Hoiplyin the pandemonium lord
366945 | Zig:23   | Killed Uhogoduq the pandemonium lord
366945 | Zig:23   | Killed Enejup the pandemonium lord
366945 | Zig:23   | Noticed Ehiwaa Dicw the pandemonium lord
366945 | Zig:23   | Noticed Aghif the pandemonium lord
366945 | Zig:23   | Noticed Istedo the pandemonium lord
366946 | Zig:23   | Killed Uwoof the pandemonium lord
366946 | Zig:23   | Killed Momymu the pandemonium lord
366946 | Zig:23   | Killed Kiongaph the pandemonium lord
366946 | Zig:23   | Killed Omuxesh the pandemonium lord
366946 | Zig:23   | Killed Peakedyi the pandemonium lord
366946 | Zig:23   | Killed Betiere the pandemonium lord
366946 | Zig:23   | Killed Zasilov the pandemonium lord
366946 | Zig:23   | Killed Jistad the pandemonium lord
366946 | Zig:23   | Noticed Notu the pandemonium lord
366946 | Zig:23   | Noticed Wuhepeukle the pandemonium lord
366947 | Zig:23   | Noticed Bull the pandemonium lord
366947 | Zig:23   | Noticed Resha the pandemonium lord
366947 | Zig:23   | Noticed Zeusisixt the pandemonium lord
366947 | Zig:23   | Noticed Yrchoma the pandemonium lord
366947 | Zig:23   | Killed Koukli the pandemonium lord
366947 | Zig:23   | Noticed Niuveas the pandemonium lord
366948 | Zig:23   | Noticed Riewke the pandemonium lord
366948 | Zig:23   | Noticed Roiguis the pandemonium lord
366948 | Zig:23   | Killed Lutiph the pandemonium lord
366948 | Zig:23   | Killed Olyshidgh the pandemonium lord
366948 | Zig:23   | Killed Juedosh the pandemonium lord
366948 | Zig:23   | Noticed Wafaguwi the pandemonium lord
366948 | Zig:23   | Noticed Neus the pandemonium lord
366948 | Zig:23   | Noticed Vaefuck the pandemonium lord
366948 | Zig:23   | Noticed Xiakidic the pandemonium lord
366948 | Zig:23   | Noticed Viebikh the pandemonium lord
366948 | Zig:23   | Noticed Suemaq the pandemonium lord
366948 | Zig:23   | Noticed Afoawkud the pandemonium lord
366949 | Zig:23   | Noticed Gayquitaej the pandemonium lord
366949 | Zig:23   | Killed Qiusopp the pandemonium lord
366949 | Zig:23   | Killed Qinumar the pandemonium lord
366949 | Zig:23   | Killed Ynaacyur the pandemonium lord
366949 | Zig:23   | Killed Azaleo Upye the pandemonium lord
366949 | Zig:23   | Killed Futtaile the pandemonium lord
366949 | Zig:23   | Killed Reitwu the pandemonium lord
366949 | Zig:23   | Killed Veceq the pandemonium lord
366949 | Zig:23   | Killed Runanwub the pandemonium lord
366949 | Zig:23   | Noticed Hongom the pandemonium lord
366949 | Zig:23   | Noticed Aduis the pandemonium lord
366949 | Zig:23   | Noticed Ozule the pandemonium lord
366950 | Zig:23   | Noticed Ushretezy the pandemonium lord
366950 | Zig:23   | Noticed Miomar the pandemonium lord
366950 | Zig:23   | Noticed Fit Fur the pandemonium lord
366950 | Zig:23   | Noticed Xoh Ivej the pandemonium lord
366950 | Zig:23   | Noticed Ischecsal the pandemonium lord
366950 | Zig:23   | Noticed Vome the pandemonium lord
366950 | Zig:23   | Noticed Ypton the pandemonium lord
366950 | Zig:23   | Noticed Guannoh the pandemonium lord
366950 | Zig:23   | Noticed Murchuw the pandemonium lord
366950 | Zig:23   | Noticed Goceyf the pandemonium lord
366951 | Zig:23   | Noticed Tuopeth the pandemonium lord
366951 | Zig:23   | Killed Cosutak the pandemonium lord
366951 | Zig:23   | Killed Ehiwaa Dicw the pandemonium lord
366951 | Zig:23   | Killed Aduis the pandemonium lord
366951 | Zig:23   | Killed Bull the pandemonium lord
366951 | Zig:23   | Killed Vaefuck the pandemonium lord
366951 | Zig:23   | Killed Hongom the pandemonium lord
366951 | Zig:23   | Killed Daaxkimy the pandemonium lord
366951 | Zig:23   | Killed Luminuk the pandemonium lord
366951 | Zig:23   | Killed Ysseh the pandemonium lord
366951 | Zig:23   | Noticed Bivaycs the pandemonium lord
366951 | Zig:23   | Noticed Qeicot the pandemonium lord
366951 | Zig:23   | Noticed Neasaym the pandemonium lord
366951 | Zig:23   | Noticed Tirez the pandemonium lord
366951 | Zig:23   | Noticed Ephix the pandemonium lord
366951 | Zig:23   | Noticed Famem the pandemonium lord
366952 | Zig:23   | Noticed Esuzea the pandemonium lord
366952 | Zig:23   | Killed Niuveas the pandemonium lord
366952 | Zig:23   | Noticed Yboclev the pandemonium lord
366952 | Zig:23   | Noticed Jezad the pandemonium lord
366953 | Zig:23   | Noticed Xyad the pandemonium lord
366953 | Zig:23   | Killed Kehegh the pandemonium lord
366953 | Zig:23   | Killed Ciurheg the pandemonium lord
366953 | Zig:23   | Killed Ihoamien the pandemonium lord
366953 | Zig:23   | Killed Siqekar the pandemonium lord
366953 | Zig:23   | Killed Notu the pandemonium lord
366953 | Zig:23   | Killed Ushretezy the pandemonium lord
366953 | Zig:23   | Killed Tuyczi the pandemonium lord
366953 | Zig:23   | Killed Zeusisixt the pandemonium lord
366953 | Zig:23   | Killed Tirez the pandemonium lord
366953 | Zig:23   | Killed Xoh Ivej the pandemonium lord
366953 | Zig:23   | Killed Gaobbeud the pandemonium lord
366953 | Zig:23   | Killed Resha the pandemonium lord
366953 | Zig:23   | Noticed Sammiuxtui the pandemonium lord
366953 | Zig:23   | Killed Ynteg the pandemonium lord
366954 | Zig:23   | Noticed Biejimn the pandemonium lord
366954 | Zig:23   | Noticed Pujunon the pandemonium lord
366954 | Zig:23   | Noticed Deck the pandemonium lord
366954 | Zig:23   | Noticed Oschaf the pandemonium lord
366954 | Zig:23   | Noticed Zudeg the pandemonium lord
366954 | Zig:23   | Noticed Joposy the pandemonium lord
366954 | Zig:23   | Noticed Ganuuzec the pandemonium lord
366954 | Zig:23   | Noticed Voyherok the pandemonium lord
366955 | Zig:23   | Noticed Vuur the pandemonium lord
366955 | Zig:23   | Killed Wuhepeukle the pandemonium lord
366955 | Zig:23   | Killed Istedo the pandemonium lord
366955 | Zig:23   | Killed Xiakidic the pandemonium lord
366955 | Zig:23   | Killed Fit Fur the pandemonium lord
366955 | Zig:23   | Killed Afoawkud the pandemonium lord
366955 | Zig:23   | Killed Onydicw the pandemonium lord
366955 | Zig:23   | Killed Guannoh the pandemonium lord
366955 | Zig:23   | Killed Riewke the pandemonium lord
366955 | Zig:23   | Killed Tuopeth the pandemonium lord
366955 | Zig:23   | Killed Jezad the pandemonium lord
366955 | Zig:23   | Noticed Lawekh the pandemonium lord
366955 | Zig:23   | Noticed Vokewk the pandemonium lord
366955 | Zig:23   | Noticed Laech the pandemonium lord
366955 | Zig:23   | Noticed Tyciatwa the pandemonium lord
366956 | Zig:23   | Noticed Sogaun the pandemonium lord
366956 | Zig:23   | Noticed Juleel the pandemonium lord
366956 | Zig:23   | Noticed Kucecwuoq the pandemonium lord
366956 | Zig:23   | Noticed Itwanam the pandemonium lord
366956 | Zig:23   | Noticed Muzitoex the pandemonium lord
366956 | Zig:23   | Noticed Dahy the pandemonium lord
366956 | Zig:23   | Killed Miomar the pandemonium lord
366956 | Zig:23   | Killed Neus the pandemonium lord
366956 | Zig:23   | Noticed Xoipukot the pandemonium lord
366956 | Zig:23   | Noticed Zissizoa the pandemonium lord
366957 | Zig:23   | Noticed Jeiblaaz the pandemonium lord
366957 | Zig:23   | Noticed Ybejoff the pandemonium lord
366957 | Zig:23   | Noticed Wailaz the pandemonium lord
366958 | Zig:23   | Noticed Wutixkui the pandemonium lord
366958 | Zig:23   | Noticed Yxeuherch the pandemonium lord
366958 | Zig:23   | Noticed Minantang the pandemonium lord
366959 | Zig:23   | Killed Sammiuxtui the pandemonium lord
366959 | Zig:23   | Noticed Tiaq the pandemonium lord
366959 | Zig:23   | Noticed Hetsatim the pandemonium lord
366960 | Zig:23   | Killed Esuzea the pandemonium lord
366960 | Zig:23   | Killed Roiguis the pandemonium lord
366960 | Zig:23   | Killed Vome the pandemonium lord
366960 | Zig:23   | Killed Ypton the pandemonium lord
366960 | Zig:23   | Killed Voyherok the pandemonium lord
366960 | Zig:23   | Killed Viebikh the pandemonium lord
366960 | Zig:23   | Killed Zudeg the pandemonium lord
366960 | Zig:23   | Killed Suemaq the pandemonium lord
366960 | Zig:23   | Killed Murchuw the pandemonium lord
366960 | Zig:23   | Killed Famem the pandemonium lord
366960 | Zig:23   | Killed Laech the pandemonium lord
366960 | Zig:23   | Killed Gayquitaej the pandemonium lord
366960 | Zig:23   | Killed Bivaycs the pandemonium lord
366960 | Zig:23   | Killed Neasaym the pandemonium lord
366960 | Zig:23   | Noticed Woig the pandemonium lord
366960 | Zig:23   | Noticed Weiluf the pandemonium lord
366960 | Zig:23   | Noticed Mueguaw the pandemonium lord
366961 | Zig:23   | Killed Deck the pandemonium lord
366961 | Zig:23   | Killed Aghif the pandemonium lord
366961 | Zig:23   | Killed Ischecsal the pandemonium lord
366961 | Zig:23   | Killed Xyad the pandemonium lord
366961 | Zig:23   | Killed Sogaun the pandemonium lord
366961 | Zig:23   | Killed Wutixkui the pandemonium lord
366961 | Zig:23   | Killed Ozule the pandemonium lord
366961 | Zig:23   | Killed Yboclev the pandemonium lord
366961 | Zig:23   | Killed Wafaguwi the pandemonium lord
366961 | Zig:23   | Killed Vacennei the pandemonium lord
366961 | Zig:23   | Killed Joposy the pandemonium lord
366961 | Zig:23   | Killed Ganuuzec the pandemonium lord
366961 | Zig:23   | Killed Goceyf the pandemonium lord
366961 | Zig:23   | Noticed Fynegreh the pandemonium lord
366961 | Zig:23   | Noticed Erras the pandemonium lord
366961 | Zig:23   | Noticed Xiunon the pandemonium lord
366962 | Zig:23   | Killed Vuur the pandemonium lord
366962 | Zig:23   | Killed Oriyckof the pandemonium lord
366962 | Zig:23   | Killed Pujunon the pandemonium lord
366962 | Zig:23   | Killed Yrchoma the pandemonium lord
366962 | Zig:23   | Killed Itwanam the pandemonium lord
366962 | Zig:23   | Killed Kucecwuoq the pandemonium lord
366962 | Zig:23   | Killed Dahy the pandemonium lord
366962 | Zig:23   | Noticed Ticatt the pandemonium lord
366963 | Zig:23   | Noticed Bongeah the pandemonium lord
366963 | Zig:23   | Noticed Wouneub the pandemonium lord
366963 | Zig:23   | Noticed Ilip the pandemonium lord
366963 | Zig:23   | Noticed Moatsiv the pandemonium lord
366964 | Zig:23   | Noticed Geufiocs the pandemonium lord
366964 | Zig:23   | Killed Yxeuherch the pandemonium lord
366964 | Zig:23   | Killed Tyciatwa the pandemonium lord
366964 | Zig:23   | Killed Qeicot the pandemonium lord
366964 | Zig:23   | Killed Lawekh the pandemonium lord
366964 | Zig:23   | Killed Minantang the pandemonium lord
366964 | Zig:23   | Killed Ephix the pandemonium lord
366964 | Zig:23   | Noticed Duelaf the pandemonium lord
366965 | Zig:23   | Noticed Kyic the pandemonium lord
366965 | Zig:23   | Killed Woig the pandemonium lord
366965 | Zig:23   | Killed Jeiblaaz the pandemonium lord
366965 | Zig:23   | Killed Biejimn the pandemonium lord
366965 | Zig:23   | Killed Juleel the pandemonium lord
366965 | Zig:23   | Killed Vokewk the pandemonium lord
366965 | Zig:23   | Killed Zissizoa the pandemonium lord
366965 | Zig:23   | Killed Mueguaw the pandemonium lord
366965 | Zig:23   | Noticed Ijepp the pandemonium lord
366966 | Zig:23   | Noticed Taolulomn the pandemonium lord
366966 | Zig:23   | Noticed Piqerphue the pandemonium lord
366966 | Zig:23   | Noticed Dooveti the pandemonium lord
366966 | Zig:23   | Noticed Wompaf the pandemonium lord
366966 | Zig:23   | Noticed Tias the pandemonium lord
366966 | Zig:23   | Noticed Akieget the pandemonium lord
366966 | Zig:23   | Noticed Xereup the pandemonium lord
366966 | Zig:23   | Noticed Wavudoth the pandemonium lord
366966 | Zig:23   | Noticed Esmiaz the pandemonium lord
366966 | Zig:23   | Noticed Cistet the pandemonium lord
366966 | Zig:23   | Noticed Fasedick the pandemonium lord
366967 | Zig:23   | Killed Ilip the pandemonium lord
366967 | Zig:23   | Killed Xiunon the pandemonium lord
366968 | Zig:23   | Noticed Vobok the pandemonium lord
366968 | Zig:23   | Noticed Anuonix the pandemonium lord
366968 | Zig:23   | Killed Weiluf the pandemonium lord
366968 | Zig:23   | Killed Fynegreh the pandemonium lord
366968 | Zig:23   | Killed Ybejoff the pandemonium lord
366968 | Zig:23   | Killed Muzitoex the pandemonium lord
366968 | Zig:23   | Killed Kyic the pandemonium lord
366968 | Zig:23   | Killed Wouneub the pandemonium lord
366968 | Zig:23   | Killed Wompaf the pandemonium lord
366968 | Zig:23   | Killed Tiaq the pandemonium lord
366968 | Zig:23   | Killed Ticatt the pandemonium lord
366968 | Zig:23   | Killed Hetsatim the pandemonium lord
366969 | Zig:23   | Noticed Ufolitt the pandemonium lord
366969 | Zig:23   | Killed Anuonix the pandemonium lord
366969 | Zig:23   | Killed Duelaf the pandemonium lord
366969 | Zig:23   | Killed Oschaf the pandemonium lord
366969 | Zig:23   | Killed Erras the pandemonium lord
366969 | Zig:23   | Noticed Soteneschep the pandemonium lord
366970 | Zig:23   | Noticed Moge Giy the pandemonium lord
366970 | Zig:23   | Noticed Cuqi Fets the pandemonium lord
366970 | Zig:23   | Noticed Beagre the pandemonium lord
366971 | Zig:23   | Killed Dooveti the pandemonium lord
366971 | Zig:23   | Killed Bongeah the pandemonium lord
366971 | Zig:23   | Killed Xereup the pandemonium lord
366971 | Zig:23   | Killed Geufiocs the pandemonium lord
366971 | Zig:23   | Killed Wailaz the pandemonium lord
366971 | Zig:23   | Killed Akieget the pandemonium lord
366971 | Zig:23   | Killed Wavudoth the pandemonium lord
366972 | Zig:23   | Noticed Idir the pandemonium lord
366972 | Zig:23   | Killed Moge Giy the pandemonium lord
366972 | Zig:23   | Killed Beagre the pandemonium lord
366972 | Zig:23   | Killed Cuqi Fets the pandemonium lord
366972 | Zig:23   | Killed Moatsiv the pandemonium lord
366972 | Zig:23   | Killed Piqerphue the pandemonium lord
366972 | Zig:23   | Killed Vobok the pandemonium lord
366972 | Zig:23   | Killed Taolulomn the pandemonium lord
366972 | Zig:23   | Noticed Tipha the pandemonium lord
366972 | Zig:23   | Noticed Lysel the pandemonium lord
366972 | Zig:23   | Noticed Leileu the pandemonium lord
366973 | Zig:23   | Noticed Guibezum the pandemonium lord
366973 | Zig:23   | Noticed Husaddic the pandemonium lord
366973 | Zig:23   | Noticed Nonnin the pandemonium lord
366973 | Zig:23   | Noticed Souzoedu the pandemonium lord
366974 | Zig:23   | Killed Esmiaz the pandemonium lord
366974 | Zig:23   | Killed Ufolitt the pandemonium lord
366974 | Zig:23   | Noticed Naukk the pandemonium lord
366974 | Zig:23   | Noticed Celozif the pandemonium lord
366975 | Zig:23   | Noticed Gosk the pandemonium lord
366976 | Zig:23   | Noticed Osidy the pandemonium lord
366977 | Zig:23   | Noticed Ciukhleh the pandemonium lord
366977 | Zig:23   | Noticed Koelel the pandemonium lord
366978 | Zig:23   | Killed Cistet the pandemonium lord
366980 | Zig:23   | Killed Fasedick the pandemonium lord
366980 | Zig:23   | Killed Idir the pandemonium lord
366980 | Zig:23   | Killed Leileu the pandemonium lord
366980 | Zig:23   | Killed Souzoedu the pandemonium lord
366980 | Zig:23   | Killed Ijepp the pandemonium lord
366980 | Zig:23   | Killed Nonnin the pandemonium lord
366980 | Zig:23   | Killed Osidy the pandemonium lord
366980 | Zig:23   | Killed Xoipukot the pandemonium lord
366980 | Zig:23   | Noticed Anazeek the pandemonium lord
366980 | Zig:23   | Noticed Paum Seo the pandemonium lord
366981 | Zig:23   | Killed Naukk the pandemonium lord
366982 | Zig:23   | Killed Koelel the pandemonium lord
366982 | Zig:23   | Killed Tipha the pandemonium lord
366982 | Zig:23   | Killed Ciukhleh the pandemonium lord
366982 | Zig:23   | Killed Husaddic the pandemonium lord
366982 | Zig:23   | Killed Gosk the pandemonium lord
366982 | Zig:23   | Killed Celozif the pandemonium lord
366982 | Zig:23   | Killed Lysel the pandemonium lord
366982 | Zig:23   | Noticed Badep the pandemonium lord
366983 | Zig:23   | Noticed Ixtonac the pandemonium lord
366983 | Zig:23   | Noticed Mupeawuj the pandemonium lord
366983 | Zig:23   | Killed Soteneschep the pandemonium lord
366983 | Zig:23   | Killed Mupeawuj the pandemonium lord
366983 | Zig:23   | Killed Tias the pandemonium lord
366983 | Zig:23   | Killed Badep the pandemonium lord
366983 | Zig:23   | Noticed Xiusom the pandemonium lord
366983 | Zig:23   | Noticed Qeshryeh the pandemonium lord
366983 | Zig:23   | Noticed Kyxyzecs the pandemonium lord
366983 | Zig:23   | Noticed Noigas the pandemonium lord
366983 | Zig:23   | Noticed Moewaps the pandemonium lord
366984 | Zig:23   | Noticed Gesezebb the pandemonium lord
366984 | Zig:23   | Noticed Vuatz the pandemonium lord
366984 | Zig:23   | Noticed Sull the pandemonium lord
366984 | Zig:23   | Noticed Otauvati the pandemonium lord
366984 | Zig:23   | Noticed Ofuiwel the pandemonium lord
366984 | Zig:23   | Noticed Neacs the pandemonium lord
366985 | Zig:23   | Noticed Qesuamil the pandemonium lord
366985 | Zig:23   | Noticed Nyxuoripn the pandemonium lord
366986 | Zig:23   | Noticed Itistrat the pandemonium lord
366986 | Zig:23   | Noticed Tirara the pandemonium lord
366986 | Zig:23   | Noticed Votyemmi the pandemonium lord
366986 | Zig:23   | Killed Ixtonac the pandemonium lord
366987 | Zig:23   | Killed Qeshryeh the pandemonium lord
366987 | Zig:23   | Killed Otauvati the pandemonium lord
366987 | Zig:23   | Noticed Kuaxich the pandemonium lord
366988 | Zig:23   | Killed Guibezum the pandemonium lord
366988 | Zig:23   | Killed Noigas the pandemonium lord
366988 | Zig:23   | Killed Kyxyzecs the pandemonium lord
366988 | Zig:23   | Killed Gesezebb the pandemonium lord
366988 | Zig:23   | Killed Moewaps the pandemonium lord
366988 | Zig:23   | Killed Xiusom the pandemonium lord
366988 | Zig:23   | Killed Ofuiwel the pandemonium lord
366988 | Zig:23   | Killed Anazeek the pandemonium lord
366988 | Zig:23   | Killed Votyemmi the pandemonium lord
366989 | Zig:23   | Noticed Kosiet the pandemonium lord
366989 | Zig:23   | Killed Vuatz the pandemonium lord
366989 | Zig:23   | Killed Neacs the pandemonium lord
366989 | Zig:23   | Killed Sull the pandemonium lord
366991 | Zig:23   | Killed Nyxuoripn the pandemonium lord
366992 | Zig:23   | Killed Qesuamil the pandemonium lord
366993 | Zig:23   | Noticed Geibrun the pandemonium lord
366996 | Zig:23   | Killed Kosiet the pandemonium lord
366997 | Zig:23   | Killed Tirara the pandemonium lord
366997 | Zig:23   | Killed Paum Seo the pandemonium lord
366997 | Zig:23   | Killed Kuaxich the pandemonium lord
366997 | Zig:23   | Noticed Behatt the pandemonium lord
366999 | Zig:23   | Noticed Ehasch the pandemonium lord
367000 | Zig:23   | Killed Itistrat the pandemonium lord
367001 | Zig:23   | Killed Ehasch the pandemonium lord
367004 | Zig:23   | Killed Behatt the pandemonium lord
367009 | Zig:23   | Killed Geibrun the pandemonium lord
367114 | Zig:23   | Identified the +1 war axe "Zaczagar" {heavy, MP+9}
367123 | Zig:23   | Identified the amulet "Etsixt" {Faith Will+}
367126 | Zig:23   | Identified the +6 rapier of Flawed Execution {speed, rN+}
367130 | Zig:23   | Identified the +0 scale mail of Defiance {Regen+}
367142 | Zig:23   | Identified the amulet of Lugonu's Vengeance {*Corrode rF+
                  | Regen+ Str+3}
367146 | Zig:23   | Identified the +7 falchion of Yredelemnul's Outrage {flame,
                  | ^Drain Fly Int+3 Dex+7}
367147 | Zig:23   | Identified the amulet of the Beastly God {Reflect SH+5
                  | Stlth+}
367150 | Zig:23   | Identified the storm talisman of the Turtle {rC+++ Will+
                  | Str+4 Stlth-}
367915 | Zig:23   | Identified the +6 orcbow of Fury {heavy, MP+9 Str-4 Dex+3}
367938 | Zig:23   | Identified the +0 dagger of Visuexor {flame, Int+3 SInv}
367944 | Zig:23   | Identified the +1 shortbow "Pelemm" {drain, rC+}
367947 | Zig:23   | Identified the +3 scale mail of the Dungeon {Str+3}
368057 | Zig:24   | Entered Level 24 of a ziggurat
368808 | Zig:24   | Identified the amulet "Plog" {RegenMP ^Contam rF+ Str+5
                  | Dex-2}
368828 | Zig:24   | Identified the +1 dagger of True Grit {flame, rN++}
368892 | Zig:24   | Identified the +5 morningstar "Heyfeonn" {freeze, Dex+4}
368903 | Zig:24   | Identified the +2 great mace "Demmom" {antimagic, *Corrode
                  | rC+ Int+6 Dex+2}
368921 | Zig:24   | Identified the +2 plate armour of Distant Worlds {rPois rF+
                  | Dex+5}
368938 | Zig:24   | Identified the +8 spear "Ecsaeh" {freeze, rElec Int+5}
368939 | Zig:24   | Identified the +7 war axe of Zaoluavo {holy, *Rage Will+
                  | Int+8 Dex-2}
368940 | Zig:24   | Identified the +3 flail of Vohi {flame, rPois Int+4}
368943 | Zig:24   | Identified the +1 great mace of the Living Dead {flame,
                  | *Noise rElec Str+2 Dex+3 SInv}
368945 | Zig:24   | Identified the +1 mace "Oneoluzu" {freeze, ^Drain ^Fragile
                  | rPois Dex+8}
368955 | Zig:24   | Identified the +1 arbalest of Xische {penet, rC+ Int+2
                  | Dex+3}
368959 | Zig:24   | Identified the ring "Tineiser" {rF- rC++ Will+ rCorr AC+4}
368964 | Zig:24   | Identified the ring of Warhoisi {Fly rN+}
368966 | Zig:24   | Identified the +2 rapier of Rin Hopp {holy, Str-3 Int+5}
368967 | Zig:24   | Identified the ring of Xom's Capriciousness {Fire Str+3}
368969 | Zig:24   | Identified the ring "Ymeetaz" {Fire *Corrode rElec Dex+4
                  | Stlth+}
368981 | Zig:24   | Identified the ring "Tanic" {rF+ Will+ MP+9 Stlth+}
368992 | Zig:24   | Identified the staff "Monin" {rC+ Str+5 Ice}
368994 | Zig:24   | Identified the +8 dagger of Defilement {heavy, Dex+3}
369002 | Zig:24   | Identified the +4 battleaxe of Changing Certain Death
                  | {freeze, rElec rC++ Int+3 Dex-3}
369003 | Zig:24   | Identified the +1 buckler "Oblitumakh" {rN++ Str+5 Int-5}
369014 | Zig:24   | Identified the +1 spear of the Imbibing Weasel {drain, rF-
                  | rC+ Dex+3}
369175 | Zig:25   | Entered Level 25 of a ziggurat
369177 | Zig:25   | Noticed a juggernaut
369177 | Zig:25   | Noticed a juggernaut
369177 | Zig:25   | Noticed a juggernaut
369178 | Zig:25   | Noticed a juggernaut
369179 | Zig:25   | Noticed a juggernaut
369179 | Zig:25   | Noticed a juggernaut
369180 | Zig:25   | Noticed a juggernaut
369180 | Zig:25   | Noticed a juggernaut
369180 | Zig:25   | Noticed a juggernaut
369180 | Zig:25   | Noticed a juggernaut
369181 | Zig:25   | Noticed a juggernaut
369181 | Zig:25   | Noticed a juggernaut
369181 | Zig:25   | Noticed a juggernaut
369181 | Zig:25   | Noticed a juggernaut
369182 | Zig:25   | Noticed a juggernaut
369182 | Zig:25   | Killed a juggernaut
369182 | Zig:25   | Killed a juggernaut
369182 | Zig:25   | Killed a juggernaut
369182 | Zig:25   | Noticed a juggernaut
369183 | Zig:25   | Noticed a juggernaut
369183 | Zig:25   | Noticed a juggernaut
369183 | Zig:25   | Noticed a juggernaut
369183 | Zig:25   | Noticed a juggernaut
369184 | Zig:25   | Noticed a juggernaut
369184 | Zig:25   | Noticed a juggernaut
369185 | Zig:25   | Killed a juggernaut
369185 | Zig:25   | Killed a juggernaut
369185 | Zig:25   | Killed a juggernaut
369185 | Zig:25   | Killed a juggernaut
369185 | Zig:25   | Killed a juggernaut
369185 | Zig:25   | Killed a juggernaut
369185 | Zig:25   | Killed a juggernaut
369185 | Zig:25   | Killed a juggernaut
369185 | Zig:25   | Killed a juggernaut
369185 | Zig:25   | Killed a juggernaut
369185 | Zig:25   | Killed a juggernaut
369185 | Zig:25   | Noticed a juggernaut
369185 | Zig:25   | Killed a juggernaut
369186 | Zig:25   | Noticed a juggernaut
369186 | Zig:25   | Noticed a juggernaut
369187 | Zig:25   | Noticed a juggernaut
369187 | Zig:25   | Noticed a juggernaut
369187 | Zig:25   | Noticed a juggernaut
369187 | Zig:25   | Noticed a juggernaut
369187 | Zig:25   | Noticed a juggernaut
369187 | Zig:25   | Killed a juggernaut
369188 | Zig:25   | Noticed a juggernaut
369188 | Zig:25   | Killed a juggernaut
369188 | Zig:25   | Killed a juggernaut
369188 | Zig:25   | Killed a juggernaut
369188 | Zig:25   | Killed a juggernaut
369188 | Zig:25   | Noticed a juggernaut
369189 | Zig:25   | Noticed a juggernaut
369189 | Zig:25   | Noticed a juggernaut
369189 | Zig:25   | Noticed a juggernaut
369190 | Zig:25   | Noticed a juggernaut
369190 | Zig:25   | Noticed a juggernaut
369190 | Zig:25   | Noticed a juggernaut
369190 | Zig:25   | Noticed a juggernaut
369191 | Zig:25   | Killed a juggernaut
369191 | Zig:25   | Killed a juggernaut
369191 | Zig:25   | Killed a juggernaut
369191 | Zig:25   | Killed a juggernaut
369191 | Zig:25   | Killed a juggernaut
369191 | Zig:25   | Killed a juggernaut
369191 | Zig:25   | Killed a juggernaut
369191 | Zig:25   | Killed a juggernaut
369191 | Zig:25   | Noticed a juggernaut
369192 | Zig:25   | Noticed a juggernaut
369193 | Zig:25   | Noticed a juggernaut
369193 | Zig:25   | Noticed a juggernaut
369193 | Zig:25   | Noticed a juggernaut
369193 | Zig:25   | Noticed a juggernaut
369193 | Zig:25   | Noticed a juggernaut
369193 | Zig:25   | Killed a juggernaut
369193 | Zig:25   | Noticed a juggernaut
369193 | Zig:25   | Noticed a juggernaut
369193 | Zig:25   | Noticed a juggernaut
369194 | Zig:25   | Killed a juggernaut
369194 | Zig:25   | Killed a juggernaut
369194 | Zig:25   | Killed a juggernaut
369194 | Zig:25   | Killed a juggernaut
369194 | Zig:25   | Killed a juggernaut
369194 | Zig:25   | Killed a juggernaut
369194 | Zig:25   | Killed a juggernaut
369194 | Zig:25   | Killed a juggernaut
369194 | Zig:25   | Killed a juggernaut
369194 | Zig:25   | Killed a juggernaut
369194 | Zig:25   | Killed a juggernaut
369195 | Zig:25   | Noticed a juggernaut
369195 | Zig:25   | Noticed a juggernaut
369195 | Zig:25   | Noticed a juggernaut
369195 | Zig:25   | Noticed a juggernaut
369195 | Zig:25   | Noticed a juggernaut
369195 | Zig:25   | Noticed a juggernaut
369196 | Zig:25   | Noticed a juggernaut
369196 | Zig:25   | Noticed a juggernaut
369196 | Zig:25   | Noticed a juggernaut
369196 | Zig:25   | Killed a juggernaut
369197 | Zig:25   | Noticed a juggernaut
369197 | Zig:25   | Killed a juggernaut
369197 | Zig:25   | Killed a juggernaut
369197 | Zig:25   | Killed a juggernaut
369197 | Zig:25   | Killed a juggernaut
369197 | Zig:25   | Killed a juggernaut
369197 | Zig:25   | Killed a juggernaut
369197 | Zig:25   | Killed a juggernaut
369197 | Zig:25   | Killed a juggernaut
369197 | Zig:25   | Killed a juggernaut
369197 | Zig:25   | Killed a juggernaut
369197 | Zig:25   | Killed a juggernaut
369197 | Zig:25   | Noticed a juggernaut
369198 | Zig:25   | Noticed a juggernaut
369198 | Zig:25   | Noticed a juggernaut
369198 | Zig:25   | Killed a juggernaut
369198 | Zig:25   | Killed a juggernaut
369200 | Zig:25   | Killed a juggernaut
369200 | Zig:25   | Killed a juggernaut
369200 | Zig:25   | Killed a juggernaut
369200 | Zig:25   | Noticed a juggernaut
369201 | Zig:25   | Noticed a juggernaut
369201 | Zig:25   | Noticed a juggernaut
369202 | Zig:25   | Noticed a juggernaut
369202 | Zig:25   | Noticed a juggernaut
369202 | Zig:25   | Killed a juggernaut
369202 | Zig:25   | Killed a juggernaut
369203 | Zig:25   | Noticed a juggernaut
369203 | Zig:25   | Killed a juggernaut
369203 | Zig:25   | Killed a juggernaut
369203 | Zig:25   | Killed a juggernaut
369203 | Zig:25   | Killed a juggernaut
369203 | Zig:25   | Killed a juggernaut
369203 | Zig:25   | Killed a juggernaut
369204 | Zig:25   | Noticed a juggernaut
369205 | Zig:25   | Noticed a juggernaut
369206 | Zig:25   | Killed a juggernaut
369206 | Zig:25   | Killed a juggernaut
369206 | Zig:25   | Killed a juggernaut
369206 | Zig:25   | Noticed a juggernaut
369207 | Zig:25   | Noticed a juggernaut
369207 | Zig:25   | Noticed a juggernaut
369207 | Zig:25   | Noticed a juggernaut
369208 | Zig:25   | Killed a juggernaut
369208 | Zig:25   | Killed a juggernaut
369208 | Zig:25   | Noticed a juggernaut
369209 | Zig:25   | Noticed a juggernaut
369209 | Zig:25   | Noticed a juggernaut
369209 | Zig:25   | Noticed a juggernaut
369209 | Zig:25   | Noticed a juggernaut
369210 | Zig:25   | Killed a juggernaut
369210 | Zig:25   | Killed a juggernaut
369210 | Zig:25   | Killed a juggernaut
369210 | Zig:25   | Killed a juggernaut
369210 | Zig:25   | Killed a juggernaut
369211 | Zig:25   | Noticed a juggernaut
369212 | Zig:25   | Noticed a juggernaut
369212 | Zig:25   | Noticed a juggernaut
369213 | Zig:25   | Noticed a juggernaut
369213 | Zig:25   | Noticed a juggernaut
369213 | Zig:25   | Noticed a juggernaut
369213 | Zig:25   | Noticed a juggernaut
369213 | Zig:25   | Noticed a juggernaut
369214 | Zig:25   | Noticed a juggernaut
369214 | Zig:25   | Killed a juggernaut
369214 | Zig:25   | Killed a juggernaut
369214 | Zig:25   | Killed a juggernaut
369214 | Zig:25   | Killed a juggernaut
369214 | Zig:25   | Killed a juggernaut
369214 | Zig:25   | Killed a juggernaut
369214 | Zig:25   | Killed a juggernaut
369214 | Zig:25   | Killed a juggernaut
369214 | Zig:25   | Killed a juggernaut
369215 | Zig:25   | Noticed a juggernaut
369215 | Zig:25   | Noticed a juggernaut
369216 | Zig:25   | Noticed a juggernaut
369216 | Zig:25   | Noticed a juggernaut
369217 | Zig:25   | Noticed a juggernaut
369218 | Zig:25   | Killed a juggernaut
369218 | Zig:25   | Killed a juggernaut
369218 | Zig:25   | Killed a juggernaut
369219 | Zig:25   | Killed a juggernaut
369220 | Zig:25   | Killed a juggernaut
369222 | Zig:25   | Killed a juggernaut
369224 | Zig:25   | Killed a juggernaut
369226 | Zig:25   | Killed a juggernaut
369227 | Zig:25   | Noticed a juggernaut
369228 | Zig:25   | Noticed a juggernaut
369230 | Zig:25   | Killed a juggernaut
369230 | Zig:25   | Killed a juggernaut
369230 | Zig:25   | Killed a juggernaut
369232 | Zig:25   | Noticed a juggernaut
369232 | Zig:25   | Noticed a juggernaut
369234 | Zig:25   | Killed a juggernaut
369234 | Zig:25   | Killed a juggernaut
369236 | Zig:25   | Noticed a juggernaut
369237 | Zig:25   | Killed a juggernaut
369241 | Zig:25   | Killed a juggernaut
369363 | Zig:25   | Identified the +5 morningstar of Judgement {holy, rC+}
369370 | Zig:25   | Identified the +6 falchion "Qiad Ruu" {freeze, rElec Dex+2}
369385 | Zig:25   | Identified the +1 long sword of Rouhozaf {pain, Will+
                  | rCorr}
370336 | Zig:26   | Entered Level 26 of a ziggurat
370594 | Zig:26   | Paralysed by a wendigo for 1 turns
371377 | Zig:26   | Identified the +3 hand axe "Pouricev" {flame, *Noise rPois
                  | rN+ Stlth+}
371380 | Zig:26   | Identified the +7 chain mail of the Rose {Dex+3 Stlth-}
371386 | Zig:26   | Identified the +6 shortbow of Kefuz {flame, rF+ Str-5 Int+5
                  | Dex-5}
371395 | Zig:26   | Identified the +2 short sword of Absolution {drain,
                  | ^Fragile rF+ rCorr Int+3}
371398 | Zig:26   | Identified the ring of the Burgomaster {Will+ SInv}
371443 | Zig:26   | Identified the ring "Ijigarr" {EV+5 Int+6}
371464 | Zig:26   | Identified the +7 spear of Oozing Pus {holy, rPois rN+}
371473 | Zig:26   | Identified the +5 shortbow "Qaurchank" {heavy, rF++ rC+
                  | Dex+3}
371474 | Zig:26   | Identified the +2 hand axe "Tonlufa" {freeze, rN+ Int+3}
371475 | Zig:26   | Identified the +10 scimitar of the Shallot {heavy, rN++
                  | Int-2}
371492 | Zig:26   | Identified the +0 chain mail of Macaroni {Int+3}
371494 | Zig:26   | Identified the +8 plate armour of Hubris {rF+}
371500 | Zig:26   | Identified the staff "Newt's Nightmare" {rElec rC++ rCorr
                  | Dex-5 Ice Air}
371501 | Zig:26   | Identified the amulet "Yhoss" {RegenMP Dex+3}
371693 | Zig:26   | Identified the ring of Pamyl {rPois rF+ Int+3 Slay+4}
371727 | Zig:27   | Entered Level 27 of a ziggurat
371732 | Zig:27   | Noticed a dread lich
371732 | Zig:27   | Noticed an ancient lich
371733 | Zig:27   | Noticed a dread lich
371733 | Zig:27   | Noticed an ancient lich
371733 | Zig:27   | Noticed a dread lich
371733 | Zig:27   | Noticed an ancient lich
371733 | Zig:27   | Noticed an ancient lich
371734 | Zig:27   | Noticed a dread lich
371734 | Zig:27   | Noticed an ancient lich
371734 | Zig:27   | Noticed an ancient lich
371736 | Zig:27   | Noticed an ancient lich
371736 | Zig:27   | Noticed a dread lich
371736 | Zig:27   | Noticed a dread lich
371736 | Zig:27   | Noticed an ancient lich
371736 | Zig:27   | Noticed an ancient lich
371736 | Zig:27   | Noticed a dread lich
371737 | Zig:27   | Noticed a dread lich
371737 | Zig:27   | Noticed an ancient lich
371737 | Zig:27   | Noticed an ancient lich
371737 | Zig:27   | Noticed an ancient lich
371738 | Zig:27   | Killed a dread lich
371738 | Zig:27   | Killed an ancient lich
371738 | Zig:27   | Killed a dread lich
371738 | Zig:27   | Killed an ancient lich
371738 | Zig:27   | Killed an ancient lich
371738 | Zig:27   | Killed an ancient lich
371738 | Zig:27   | Killed an ancient lich
371738 | Zig:27   | Killed an ancient lich
371738 | Zig:27   | Killed a dread lich
371738 | Zig:27   | Killed a dread lich
371738 | Zig:27   | Killed an ancient lich
371738 | Zig:27   | Killed an ancient lich
371738 | Zig:27   | Killed a dread lich
371738 | Zig:27   | Killed an ancient lich
371738 | Zig:27   | Killed an ancient lich
371738 | Zig:27   | Noticed a dread lich
371738 | Zig:27   | Noticed a dread lich
371739 | Zig:27   | Noticed a dread lich
371739 | Zig:27   | Noticed a dread lich
371739 | Zig:27   | Noticed an ancient lich
371739 | Zig:27   | Noticed a dread lich
371739 | Zig:27   | Noticed a dread lich
371739 | Zig:27   | Noticed a dread lich
371739 | Zig:27   | Noticed a dread lich
371740 | Zig:27   | Noticed an ancient lich
371740 | Zig:27   | Killed a dread lich
371740 | Zig:27   | Killed a dread lich
371740 | Zig:27   | Killed an ancient lich
371740 | Zig:27   | Killed an ancient lich
371740 | Zig:27   | Killed a dread lich
371741 | Zig:27   | Noticed a dread lich
371741 | Zig:27   | Noticed a dread lich
371741 | Zig:27   | Noticed an ancient lich
371741 | Zig:27   | Noticed an ancient lich
371741 | Zig:27   | Noticed a dread lich
371741 | Zig:27   | Noticed a dread lich
371741 | Zig:27   | Killed an ancient lich
371742 | Zig:27   | Noticed an ancient lich
371742 | Zig:27   | Killed a dread lich
371742 | Zig:27   | Killed a dread lich
371742 | Zig:27   | Killed a dread lich
371742 | Zig:27   | Killed a dread lich
371742 | Zig:27   | Killed a dread lich
371742 | Zig:27   | Killed a dread lich
371742 | Zig:27   | Killed a dread lich
371742 | Zig:27   | Killed a dread lich
371742 | Zig:27   | Killed an ancient lich
371742 | Zig:27   | Killed an ancient lich
371742 | Zig:27   | Killed a dread lich
371742 | Zig:27   | Killed a dread lich
371742 | Zig:27   | Noticed an ancient lich
371742 | Zig:27   | Noticed an ancient lich
371743 | Zig:27   | Noticed an ancient lich
371743 | Zig:27   | Noticed an ancient lich
371743 | Zig:27   | Noticed an ancient lich
371744 | Zig:27   | Noticed an ancient lich
371744 | Zig:27   | Noticed an ancient lich
371744 | Zig:27   | Noticed a dread lich
371744 | Zig:27   | Noticed a dread lich
371744 | Zig:27   | Noticed a dread lich
371744 | Zig:27   | Noticed a dread lich
371745 | Zig:27   | Noticed an ancient lich
371745 | Zig:27   | Killed an ancient lich
371745 | Zig:27   | Killed a dread lich
371745 | Zig:27   | Killed an ancient lich
371745 | Zig:27   | Killed a dread lich
371745 | Zig:27   | Killed an ancient lich
371745 | Zig:27   | Noticed an ancient lich
371745 | Zig:27   | Noticed a dread lich
371745 | Zig:27   | Noticed an ancient lich
371745 | Zig:27   | Noticed an ancient lich
371746 | Zig:27   | Noticed an ancient lich
371746 | Zig:27   | Noticed an ancient lich
371746 | Zig:27   | Noticed an ancient lich
371746 | Zig:27   | Noticed an ancient lich
371746 | Zig:27   | Noticed an ancient lich
371747 | Zig:27   | Noticed a dread lich
371747 | Zig:27   | Noticed an ancient lich
371747 | Zig:27   | Noticed a dread lich
371747 | Zig:27   | Noticed a dread lich
371747 | Zig:27   | Noticed an ancient lich
371747 | Zig:27   | Noticed a dread lich
371747 | Zig:27   | Noticed a dread lich
371747 | Zig:27   | Killed an ancient lich
371748 | Zig:27   | Noticed an ancient lich
371748 | Zig:27   | Noticed a dread lich
371748 | Zig:27   | Noticed an ancient lich
371748 | Zig:27   | Killed an ancient lich
371748 | Zig:27   | Killed an ancient lich
371748 | Zig:27   | Killed an ancient lich
371748 | Zig:27   | Killed an ancient lich
371748 | Zig:27   | Killed an ancient lich
371748 | Zig:27   | Killed a dread lich
371748 | Zig:27   | Killed a dread lich
371748 | Zig:27   | Killed an ancient lich
371748 | Zig:27   | Killed a dread lich
371748 | Zig:27   | Killed an ancient lich
371748 | Zig:27   | Killed a dread lich
371748 | Zig:27   | Killed an ancient lich
371748 | Zig:27   | Killed an ancient lich
371748 | Zig:27   | Killed a dread lich
371748 | Zig:27   | Killed an ancient lich
371748 | Zig:27   | Killed a dread lich
371748 | Zig:27   | Noticed a dread lich
371748 | Zig:27   | Noticed a dread lich
371748 | Zig:27   | Killed an ancient lich
371749 | Zig:27   | Noticed a dread lich
371749 | Zig:27   | Noticed an ancient lich
371749 | Zig:27   | Noticed a dread lich
371749 | Zig:27   | Noticed a dread lich
371749 | Zig:27   | Noticed a dread lich
371749 | Zig:27   | Noticed a dread lich
371749 | Zig:27   | Noticed an ancient lich
371749 | Zig:27   | Noticed a dread lich
371749 | Zig:27   | Killed a dread lich
371750 | Zig:27   | Noticed an ancient lich
371750 | Zig:27   | Noticed an ancient lich
371750 | Zig:27   | Killed an ancient lich
371750 | Zig:27   | Noticed a dread lich
371751 | Zig:27   | Noticed a dread lich
371751 | Zig:27   | Killed an ancient lich
371751 | Zig:27   | Killed an ancient lich
371751 | Zig:27   | Killed a dread lich
371751 | Zig:27   | Killed an ancient lich
371751 | Zig:27   | Killed an ancient lich
371751 | Zig:27   | Killed an ancient lich
371751 | Zig:27   | Killed an ancient lich
371751 | Zig:27   | Killed a dread lich
371751 | Zig:27   | Killed a dread lich
371751 | Zig:27   | Killed a dread lich
371751 | Zig:27   | Killed a dread lich
371752 | Zig:27   | Noticed an ancient lich
371752 | Zig:27   | Noticed an ancient lich
371752 | Zig:27   | Noticed an ancient lich
371752 | Zig:27   | Noticed an ancient lich
371752 | Zig:27   | Noticed a dread lich
371752 | Zig:27   | Killed a dread lich
371752 | Zig:27   | Noticed a dread lich
371752 | Zig:27   | Noticed a dread lich
371753 | Zig:27   | Noticed a dread lich
371753 | Zig:27   | Noticed an ancient lich
371753 | Zig:27   | Noticed an ancient lich
371753 | Zig:27   | Noticed an ancient lich
371753 | Zig:27   | Noticed a dread lich
371753 | Zig:27   | Noticed a dread lich
371753 | Zig:27   | Noticed an ancient lich
371753 | Zig:27   | Noticed a dread lich
371753 | Zig:27   | Noticed an ancient lich
371753 | Zig:27   | Noticed an ancient lich
371753 | Zig:27   | Noticed an ancient lich
371753 | Zig:27   | Killed a dread lich
371754 | Zig:27   | Noticed a dread lich
371754 | Zig:27   | Noticed a dread lich
371754 | Zig:27   | Killed a dread lich
371754 | Zig:27   | Killed a dread lich
371754 | Zig:27   | Killed an ancient lich
371754 | Zig:27   | Killed an ancient lich
371754 | Zig:27   | Killed a dread lich
371754 | Zig:27   | Killed an ancient lich
371754 | Zig:27   | Killed an ancient lich
371754 | Zig:27   | Killed a dread lich
371754 | Zig:27   | Killed an ancient lich
371754 | Zig:27   | Killed an ancient lich
371754 | Zig:27   | Killed a dread lich
371754 | Zig:27   | Killed a dread lich
371754 | Zig:27   | Killed an ancient lich
371754 | Zig:27   | Killed a dread lich
371754 | Zig:27   | Noticed a dread lich
371754 | Zig:27   | Noticed an ancient lich
371754 | Zig:27   | Noticed an ancient lich
371754 | Zig:27   | Noticed an ancient lich
371755 | Zig:27   | Noticed an ancient lich
371755 | Zig:27   | Noticed a dread lich
371755 | Zig:27   | Noticed a dread lich
371755 | Zig:27   | Noticed an ancient lich
371755 | Zig:27   | Noticed a dread lich
371755 | Zig:27   | Noticed a dread lich
371755 | Zig:27   | Noticed a dread lich
371755 | Zig:27   | Noticed an ancient lich
371755 | Zig:27   | Noticed an ancient lich
371756 | Zig:27   | Noticed an ancient lich
371756 | Zig:27   | Noticed an ancient lich
371756 | Zig:27   | Noticed a dread lich
371756 | Zig:27   | Noticed an ancient lich
371756 | Zig:27   | Noticed a dread lich
371756 | Zig:27   | Noticed an ancient lich
371756 | Zig:27   | Noticed an ancient lich
371756 | Zig:27   | Killed a dread lich
371756 | Zig:27   | Killed a dread lich
371756 | Zig:27   | Noticed a dread lich
371757 | Zig:27   | Noticed a dread lich
371757 | Zig:27   | Noticed an ancient lich
371757 | Zig:27   | Killed a dread lich
371757 | Zig:27   | Killed an ancient lich
371757 | Zig:27   | Killed an ancient lich
371757 | Zig:27   | Killed an ancient lich
371757 | Zig:27   | Killed a dread lich
371757 | Zig:27   | Killed a dread lich
371757 | Zig:27   | Killed a dread lich
371757 | Zig:27   | Killed an ancient lich
371757 | Zig:27   | Killed an ancient lich
371757 | Zig:27   | Killed a dread lich
371757 | Zig:27   | Killed an ancient lich
371757 | Zig:27   | Killed a dread lich
371757 | Zig:27   | Killed an ancient lich
371757 | Zig:27   | Killed an ancient lich
371757 | Zig:27   | Killed a dread lich
371757 | Zig:27   | Killed a dread lich
371757 | Zig:27   | Killed an ancient lich
371757 | Zig:27   | Killed a dread lich
371757 | Zig:27   | Killed an ancient lich
371757 | Zig:27   | Noticed an ancient lich
371757 | Zig:27   | Noticed an ancient lich
371757 | Zig:27   | Noticed an ancient lich
371758 | Zig:27   | Noticed an ancient lich
371758 | Zig:27   | Noticed an ancient lich
371758 | Zig:27   | Noticed an ancient lich
371758 | Zig:27   | Noticed a dread lich
371758 | Zig:27   | Noticed an ancient lich
371758 | Zig:27   | Noticed a dread lich
371758 | Zig:27   | Noticed a dread lich
371759 | Zig:27   | Noticed an ancient lich
371759 | Zig:27   | Noticed an ancient lich
371759 | Zig:27   | Noticed a dread lich
371759 | Zig:27   | Noticed a dread lich
371759 | Zig:27   | Noticed an ancient lich
371759 | Zig:27   | Noticed an ancient lich
371759 | Zig:27   | Killed a dread lich
371759 | Zig:27   | Noticed a dread lich
371759 | Zig:27   | Killed an ancient lich
371760 | Zig:27   | Noticed an ancient lich
371760 | Zig:27   | Noticed an ancient lich
371760 | Zig:27   | Killed an ancient lich
371760 | Zig:27   | Killed an ancient lich
371760 | Zig:27   | Killed an ancient lich
371760 | Zig:27   | Killed an ancient lich
371760 | Zig:27   | Killed an ancient lich
371760 | Zig:27   | Killed an ancient lich
371760 | Zig:27   | Killed an ancient lich
371760 | Zig:27   | Killed a dread lich
371760 | Zig:27   | Killed a dread lich
371760 | Zig:27   | Killed an ancient lich
371760 | Zig:27   | Killed an ancient lich
371760 | Zig:27   | Killed an ancient lich
371760 | Zig:27   | Killed an ancient lich
371760 | Zig:27   | Killed a dread lich
371760 | Zig:27   | Killed a dread lich
371760 | Zig:27   | Noticed a dread lich
371760 | Zig:27   | Noticed a dread lich
371760 | Zig:27   | Noticed an ancient lich
371760 | Zig:27   | Noticed an ancient lich
371761 | Zig:27   | Noticed an ancient lich
371761 | Zig:27   | Noticed an ancient lich
371761 | Zig:27   | Noticed a dread lich
371761 | Zig:27   | Noticed an ancient lich
371761 | Zig:27   | Noticed an ancient lich
371761 | Zig:27   | Noticed a dread lich
371761 | Zig:27   | Noticed a dread lich
371761 | Zig:27   | Noticed an ancient lich
371761 | Zig:27   | Noticed a dread lich
371762 | Zig:27   | Noticed an ancient lich
371762 | Zig:27   | Noticed a dread lich
371762 | Zig:27   | Noticed a dread lich
371762 | Zig:27   | Noticed an ancient lich
371762 | Zig:27   | Noticed a dread lich
371762 | Zig:27   | Noticed an ancient lich
371762 | Zig:27   | Noticed an ancient lich
371762 | Zig:27   | Noticed a dread lich
371762 | Zig:27   | Killed a dread lich
371762 | Zig:27   | Noticed an ancient lich
371762 | Zig:27   | Noticed a dread lich
371763 | Zig:27   | Noticed an ancient lich
371763 | Zig:27   | Noticed a dread lich
371763 | Zig:27   | Killed an ancient lich
371763 | Zig:27   | Killed an ancient lich
371763 | Zig:27   | Killed a dread lich
371763 | Zig:27   | Killed a dread lich
371763 | Zig:27   | Killed an ancient lich
371763 | Zig:27   | Killed an ancient lich
371763 | Zig:27   | Killed an ancient lich
371763 | Zig:27   | Killed an ancient lich
371763 | Zig:27   | Killed an ancient lich
371763 | Zig:27   | Killed an ancient lich
371763 | Zig:27   | Killed a dread lich
371763 | Zig:27   | Killed an ancient lich
371763 | Zig:27   | Killed an ancient lich
371763 | Zig:27   | Killed an ancient lich
371763 | Zig:27   | Killed a dread lich
371763 | Zig:27   | Killed an ancient lich
371763 | Zig:27   | Killed a dread lich
371763 | Zig:27   | Killed a dread lich
371763 | Zig:27   | Killed a dread lich
371763 | Zig:27   | Killed an ancient lich
371763 | Zig:27   | Killed an ancient lich
371763 | Zig:27   | Killed a dread lich
371763 | Zig:27   | Killed an ancient lich
371763 | Zig:27   | Killed a dread lich
371763 | Zig:27   | Killed an ancient lich
371763 | Zig:27   | Noticed a dread lich
371763 | Zig:27   | Noticed a dread lich
371763 | Zig:27   | Killed a dread lich
371763 | Zig:27   | Noticed a dread lich
371764 | Zig:27   | Noticed an ancient lich
371764 | Zig:27   | Noticed a dread lich
371765 | Zig:27   | Noticed a dread lich
371765 | Zig:27   | Noticed a dread lich
371765 | Zig:27   | Noticed an ancient lich
371765 | Zig:27   | Noticed an ancient lich
371765 | Zig:27   | Noticed an ancient lich
371765 | Zig:27   | Noticed an ancient lich
371765 | Zig:27   | Killed a dread lich
371765 | Zig:27   | Noticed an ancient lich
371765 | Zig:27   | Noticed a dread lich
371765 | Zig:27   | Noticed an ancient lich
371766 | Zig:27   | Noticed an ancient lich
371766 | Zig:27   | Noticed a dread lich
371766 | Zig:27   | Killed a dread lich
371766 | Zig:27   | Noticed a dread lich
371766 | Zig:27   | Noticed an ancient lich
371766 | Zig:27   | Noticed a dread lich
371766 | Zig:27   | Noticed a dread lich
371766 | Zig:27   | Noticed a dread lich
371767 | Zig:27   | Noticed a dread lich
371767 | Zig:27   | Noticed a dread lich
371767 | Zig:27   | Noticed an ancient lich
371767 | Zig:27   | Noticed a dread lich
371767 | Zig:27   | Noticed an ancient lich
371767 | Zig:27   | Noticed a dread lich
371767 | Zig:27   | Killed an ancient lich
371767 | Zig:27   | Killed an ancient lich
371768 | Zig:27   | Noticed an ancient lich
371768 | Zig:27   | Noticed an ancient lich
371768 | Zig:27   | Noticed a dread lich
371768 | Zig:27   | Noticed a dread lich
371768 | Zig:27   | Noticed an ancient lich
371768 | Zig:27   | Noticed an ancient lich
371769 | Zig:27   | Noticed a dread lich
371769 | Zig:27   | Noticed an ancient lich
371769 | Zig:27   | Killed a dread lich
371769 | Zig:27   | Killed an ancient lich
371769 | Zig:27   | Killed an ancient lich
371769 | Zig:27   | Killed a dread lich
371769 | Zig:27   | Killed a dread lich
371769 | Zig:27   | Killed an ancient lich
371769 | Zig:27   | Killed a dread lich
371769 | Zig:27   | Killed an ancient lich
371769 | Zig:27   | Killed an ancient lich
371769 | Zig:27   | Killed an ancient lich
371769 | Zig:27   | Killed a dread lich
371769 | Zig:27   | Killed an ancient lich
371769 | Zig:27   | Killed a dread lich
371769 | Zig:27   | Killed a dread lich
371769 | Zig:27   | Killed a dread lich
371769 | Zig:27   | Killed an ancient lich
371769 | Zig:27   | Killed an ancient lich
371769 | Zig:27   | Killed a dread lich
371769 | Zig:27   | Killed a dread lich
371769 | Zig:27   | Killed a dread lich
371769 | Zig:27   | Killed an ancient lich
371769 | Zig:27   | Killed a dread lich
371769 | Zig:27   | Killed a dread lich
371769 | Zig:27   | Killed an ancient lich
371769 | Zig:27   | Killed a dread lich
371769 | Zig:27   | Killed an ancient lich
371769 | Zig:27   | Killed an ancient lich
371769 | Zig:27   | Killed a dread lich
371769 | Zig:27   | Killed a dread lich
371769 | Zig:27   | Noticed an ancient lich
371769 | Zig:27   | Noticed a dread lich
371770 | Zig:27   | Noticed an ancient lich
371770 | Zig:27   | Noticed a dread lich
371770 | Zig:27   | Killed an ancient lich
371771 | Zig:27   | Noticed a dread lich
371771 | Zig:27   | Killed a dread lich
371771 | Zig:27   | Noticed an ancient lich
371771 | Zig:27   | Killed an ancient lich
371772 | Zig:27   | Killed an ancient lich
371772 | Zig:27   | Killed an ancient lich
371772 | Zig:27   | Killed an ancient lich
371772 | Zig:27   | Killed an ancient lich
371772 | Zig:27   | Killed an ancient lich
371772 | Zig:27   | Killed a dread lich
371772 | Zig:27   | Killed an ancient lich
371772 | Zig:27   | Killed a dread lich
371772 | Zig:27   | Killed a dread lich
371772 | Zig:27   | Killed an ancient lich
371772 | Zig:27   | Killed a dread lich
371772 | Zig:27   | Killed a dread lich
371772 | Zig:27   | Killed a dread lich
371772 | Zig:27   | Noticed an ancient lich
371772 | Zig:27   | Killed an ancient lich
371775 | Zig:27   | Killed a dread lich
371775 | Zig:27   | Killed an ancient lich
371775 | Zig:27   | Killed a dread lich
371775 | Zig:27   | Noticed a dread lich
371775 | Zig:27   | Noticed an ancient lich
371775 | Zig:27   | Noticed an ancient lich
371778 | Zig:27   | Killed a dread lich
371778 | Zig:27   | Killed an ancient lich
371780 | Zig:27   | Noticed a dread lich
371781 | Zig:27   | Killed an ancient lich
371781 | Zig:27   | Killed a dread lich
371781 | Zig:27   | Killed a dread lich
371782 | Zig:27   | Killed an ancient lich
371784 | Zig:27   | Identified the +0 scale mail of the World {+Inv rPois}
371785 | Zig:27   | Noticed a dread lich
371786 | Zig:27   | Killed a dread lich
371786 | Zig:27   | Killed an ancient lich
371787 | Zig:27   | Noticed a dread lich
371787 | Zig:27   | Killed an ancient lich
371788 | Zig:27   | Noticed an ancient lich
371789 | Zig:27   | Killed a dread lich
371789 | Zig:27   | Killed a dread lich
371791 | Zig:27   | Killed a dread lich
371792 | Zig:27   | Noticed an ancient lich
371792 | Zig:27   | Killed an ancient lich
371794 | Zig:27   | Noticed a dread lich
371794 | Zig:27   | Killed an ancient lich
371795 | Zig:27   | Killed a dread lich
371796 | Zig:27   | Noticed a dread lich
371799 | Zig:27   | Killed a dread lich
371799 | Zig:27   | Killed a dread lich
371800 | Zig:27   | Killed a dread lich
371851 | Zig:27   | Identified the +3 dagger of Diet Blood {elec, rC+ rN+
                  | Stlth-}
371893 | Zig:27   | Identified the staff of Bun Imny {^Fragile Dex+3 Conj
                  | Earth}
371914 | Zig:27   | Identified the +3 quarterstaff "Cek Yrao" {flame, rC+
                  | Dex+3}
371928 | Zig:27   | Identified the staff of Ducimad {rElec rC++ Int-5 Necro
                  | Earth}
371935 | Zig:27   | Identified the ring "Pumub" {rF+ rC+ rCorr Str+3 Int+6}
371944 | Zig:27   | Identified the amulet "Boisidid" {Faith rElec rC++}
371962 | Zig:27   | Identified the +4 flail of the Desolation of Salt {drain,
                  | Will+ rCorr}
371979 | Zig:27   | Identified the +6 whip of Rikuusunk {speed, ^Drain rN+
                  | Str+4}
372728 | Zig:27   | Identified the +7 flail of Dasuezud {heavy, Str+3}
372876 | Depths:3 | Acquired 666 gold pieces
372930 | Zig:1    | Entered Level 1 of a ziggurat
372944 | Zig:2    | Entered Level 2 of a ziggurat
372944 | Zig:2    | Noticed Mifal the pandemonium lord
372944 | Zig:2    | Noticed Viar the pandemonium lord
372944 | Zig:2    | Noticed Moumyishi the pandemonium lord
372944 | Zig:2    | Noticed Huic the pandemonium lord
372944 | Zig:2    | Noticed Qopex the pandemonium lord
372944 | Zig:2    | Noticed Kosell the pandemonium lord
372944 | Zig:2    | Noticed Waqopud the pandemonium lord
372944 | Zig:2    | Noticed Vifaerph the pandemonium lord
372944 | Zig:2    | Noticed Ginourev the pandemonium lord
372944 | Zig:2    | Noticed Atzantama the pandemonium lord
372944 | Zig:2    | Noticed Zohyetz the pandemonium lord
372944 | Zig:2    | Noticed Jiwudus the pandemonium lord
372944 | Zig:2    | Noticed Sanlek the pandemonium lord
372944 | Zig:2    | Noticed Ystyoho the pandemonium lord
372944 | Zig:2    | Noticed Loqipt the pandemonium lord
372944 | Zig:2    | Noticed Lauzuc the pandemonium lord
372944 | Zig:2    | Noticed Pofem the pandemonium lord
372944 | Zig:2    | Noticed Falyvoyh the pandemonium lord
372944 | Zig:2    | Noticed Yric the pandemonium lord
372946 | Zig:2    | Killed Waqopud the pandemonium lord
372946 | Zig:2    | Killed Kosell the pandemonium lord
372946 | Zig:2    | Killed Sanlek the pandemonium lord
372946 | Zig:2    | Killed Lauzuc the pandemonium lord
372946 | Zig:2    | Killed Ystyoho the pandemonium lord
372946 | Zig:2    | Killed Atzantama the pandemonium lord
372946 | Zig:2    | Killed Vifaerph the pandemonium lord
372947 | Zig:2    | Noticed Wauwyhoeti the pandemonium lord
372948 | Zig:2    | Killed Zohyetz the pandemonium lord
372948 | Zig:2    | Killed Falyvoyh the pandemonium lord
372948 | Zig:2    | Killed Yric the pandemonium lord
372948 | Zig:2    | Noticed Gehifeb the pandemonium lord
372949 | Zig:2    | Noticed Asuud the pandemonium lord
372949 | Zig:2    | Noticed Ratt the pandemonium lord
372949 | Zig:2    | Noticed Weynukhiu the pandemonium lord
372950 | Zig:2    | Killed Loqipt the pandemonium lord
372950 | Zig:2    | Killed Mifal the pandemonium lord
372950 | Zig:2    | Killed Wauwyhoeti the pandemonium lord
372950 | Zig:2    | Killed Ginourev the pandemonium lord
372953 | Zig:2    | Killed Huic the pandemonium lord
372953 | Zig:2    | Killed Gehifeb the pandemonium lord
372953 | Zig:2    | Killed Moumyishi the pandemonium lord
372955 | Zig:2    | Killed Viar the pandemonium lord
372955 | Zig:2    | Killed Qopex the pandemonium lord
372955 | Zig:2    | Killed Pofem the pandemonium lord
372955 | Zig:2    | Killed Weynukhiu the pandemonium lord
372956 | Zig:2    | Killed Asuud the pandemonium lord
372956 | Zig:2    | Killed Ratt the pandemonium lord
372957 | Zig:2    | Killed Jiwudus the pandemonium lord
373107 | Zig:3    | Entered Level 3 of a ziggurat
373122 | Zig:4    | Entered Level 4 of a ziggurat
373122 | Zig:4    | Noticed a seraph
373122 | Zig:4    | Noticed a seraph
373122 | Zig:4    | Noticed a seraph
373126 | Zig:4    | Killed a seraph
373127 | Zig:4    | Killed a seraph
373130 | Zig:4    | Killed a seraph
373131 | Zig:4    | Noticed a seraph
373134 | Zig:4    | Killed a seraph
373272 | Zig:4    | Identified the +12 trident of Voicsu {heavy, Will+ Int+3}
373319 | Zig:5    | Entered Level 5 of a ziggurat
373340 | Zig:6    | Entered Level 6 of a ziggurat
373340 | Zig:6    | Noticed a juggernaut
373340 | Zig:6    | Noticed a juggernaut
373340 | Zig:6    | Noticed a juggernaut
373340 | Zig:6    | Noticed a juggernaut
373340 | Zig:6    | Noticed a juggernaut
373340 | Zig:6    | Noticed a juggernaut
373341 | Zig:6    | Killed a juggernaut
373341 | Zig:6    | Killed a juggernaut
373341 | Zig:6    | Killed a juggernaut
373341 | Zig:6    | Killed a juggernaut
373342 | Zig:6    | Killed a juggernaut
373343 | Zig:6    | Noticed a juggernaut
373343 | Zig:6    | Noticed a juggernaut
373343 | Zig:6    | Noticed a juggernaut
373343 | Zig:6    | Noticed a juggernaut
373344 | Zig:6    | Noticed a juggernaut
373345 | Zig:6    | Killed a juggernaut
373345 | Zig:6    | Killed a juggernaut
373346 | Zig:6    | Killed a juggernaut
373347 | Zig:6    | Noticed a juggernaut
373347 | Zig:6    | Noticed a juggernaut
373347 | Zig:6    | Killed a juggernaut
373348 | Zig:6    | Killed a juggernaut
373348 | Zig:6    | Killed a juggernaut
373349 | Zig:6    | Noticed a juggernaut
373352 | Zig:6    | Killed a juggernaut
373353 | Zig:6    | Killed a juggernaut
373353 | Zig:6    | Killed a juggernaut
373357 | Zig:6    | Identified the staff of Cataclysm {rPois rF+ Dex+4 Alchemy}
373369 | Zig:7    | Entered Level 7 of a ziggurat
373396 | Zig:8    | Entered Level 8 of a ziggurat
373422 | Zig:9    | Entered Level 9 of a ziggurat
373422 | Zig:9    | Noticed Ozuifud the pandemonium lord
373422 | Zig:9    | Noticed Worphuot the pandemonium lord
373422 | Zig:9    | Noticed Xeson Dequo the pandemonium lord
373422 | Zig:9    | Noticed Inusexen the pandemonium lord
373422 | Zig:9    | Noticed Qutavvoh the pandemonium lord
373422 | Zig:9    | Noticed Rakiar the pandemonium lord
373422 | Zig:9    | Noticed Jiakef the pandemonium lord
373422 | Zig:9    | Noticed Loups the pandemonium lord
373422 | Zig:9    | Noticed Guntier the pandemonium lord
373422 | Zig:9    | Noticed Qimir the pandemonium lord
373422 | Zig:9    | Noticed Acweeshro the pandemonium lord
373422 | Zig:9    | Noticed Fiucoxzo the pandemonium lord
373422 | Zig:9    | Noticed Cudaoh the pandemonium lord
373422 | Zig:9    | Noticed Laimut the pandemonium lord
373422 | Zig:9    | Noticed Ticyihea the pandemonium lord
373422 | Zig:9    | Noticed Cuesie the pandemonium lord
373422 | Zig:9    | Noticed Long the pandemonium lord
373422 | Zig:9    | Noticed Vouts the pandemonium lord
373422 | Zig:9    | Noticed Hiebuh the pandemonium lord
373422 | Zig:9    | Noticed Kisole Taga the pandemonium lord
373422 | Zig:9    | Noticed Boum the pandemonium lord
373422 | Zig:9    | Noticed Xudues Laxyf the pandemonium lord
373422 | Zig:9    | Noticed Ciudopni the pandemonium lord
373422 | Zig:9    | Noticed Teah the pandemonium lord
373422 | Zig:9    | Noticed Kuhyschui the pandemonium lord
373422 | Zig:9    | Noticed Neteam the pandemonium lord
373422 | Zig:9    | Noticed Tiecacw the pandemonium lord
373422 | Zig:9    | Noticed Cosesol the pandemonium lord
373424 | Zig:9    | Killed Acweeshro the pandemonium lord
373424 | Zig:9    | Killed Cudaoh the pandemonium lord
373424 | Zig:9    | Killed Guntier the pandemonium lord
373424 | Zig:9    | Killed Qimir the pandemonium lord
373424 | Zig:9    | Killed Rakiar the pandemonium lord
373424 | Zig:9    | Killed Long the pandemonium lord
373424 | Zig:9    | Killed Kuhyschui the pandemonium lord
373424 | Zig:9    | Killed Cosesol the pandemonium lord
373424 | Zig:9    | Killed Ticyihea the pandemonium lord
373424 | Zig:9    | Killed Teah the pandemonium lord
373424 | Zig:9    | Killed Laimut the pandemonium lord
373425 | Zig:9    | Noticed Roit Pit the pandemonium lord
373425 | Zig:9    | Noticed Nenogg the pandemonium lord
373425 | Zig:9    | Noticed Ulah the pandemonium lord
373425 | Zig:9    | Noticed Asimnuno the pandemonium lord
373425 | Zig:9    | Noticed Peiphoof the pandemonium lord
373425 | Zig:9    | Noticed Melanaj the pandemonium lord
373426 | Zig:9    | Killed Cuesie the pandemonium lord
373426 | Zig:9    | Killed Inusexen the pandemonium lord
373426 | Zig:9    | Killed Neteam the pandemonium lord
373426 | Zig:9    | Killed Ciudopni the pandemonium lord
373426 | Zig:9    | Killed Kisole Taga the pandemonium lord
373426 | Zig:9    | Killed Loups the pandemonium lord
373426 | Zig:9    | Killed Hiebuh the pandemonium lord
373426 | Zig:9    | Noticed Zonog the pandemonium lord
373428 | Zig:9    | Noticed Uwkudwa the pandemonium lord
373428 | Zig:9    | Noticed Bakhlykk the pandemonium lord
373428 | Zig:9    | Noticed Xaukhloh the pandemonium lord
373429 | Zig:9    | Noticed Bukock the pandemonium lord
373429 | Zig:9    | Killed Worphuot the pandemonium lord
373429 | Zig:9    | Killed Boum the pandemonium lord
373429 | Zig:9    | Killed Vouts the pandemonium lord
373429 | Zig:9    | Killed Ozuifud the pandemonium lord
373429 | Zig:9    | Killed Xeson Dequo the pandemonium lord
373429 | Zig:9    | Killed Asimnuno the pandemonium lord
373429 | Zig:9    | Killed Tiecacw the pandemonium lord
373429 | Zig:9    | Killed Zonog the pandemonium lord
373429 | Zig:9    | Noticed Ochucw the pandemonium lord
373430 | Zig:9    | Noticed Ahiupt the pandemonium lord
373430 | Zig:9    | Noticed Lapapnab the pandemonium lord
373431 | Zig:9    | Noticed Hiloc the pandemonium lord
373432 | Zig:9    | Killed Ulah the pandemonium lord
373432 | Zig:9    | Noticed Hemeom Uzol the pandemonium lord
373432 | Zig:9    | Killed Jiakef the pandemonium lord
373433 | Zig:9    | Noticed Kihoem the pandemonium lord
373433 | Zig:9    | Killed Peiphoof the pandemonium lord
373433 | Zig:9    | Killed Xudues Laxyf the pandemonium lord
373433 | Zig:9    | Killed Xaukhloh the pandemonium lord
373433 | Zig:9    | Killed Fiucoxzo the pandemonium lord
373433 | Zig:9    | Killed Roit Pit the pandemonium lord
373433 | Zig:9    | Killed Nenogg the pandemonium lord
373433 | Zig:9    | Killed Melanaj the pandemonium lord
373433 | Zig:9    | Killed Qutavvoh the pandemonium lord
373433 | Zig:9    | Killed Hiloc the pandemonium lord
373433 | Zig:9    | Noticed Botrix the pandemonium lord
373434 | Zig:9    | Noticed Acseozim the pandemonium lord
373434 | Zig:9    | Noticed Nueghig the pandemonium lord
373434 | Zig:9    | Noticed Hiam the pandemonium lord
373434 | Zig:9    | Killed Bakhlykk the pandemonium lord
373435 | Zig:9    | Killed Ochucw the pandemonium lord
373435 | Zig:9    | Noticed Jigot the pandemonium lord
373436 | Zig:9    | Noticed Kah Oruf the pandemonium lord
373436 | Zig:9    | Noticed Udohafun the pandemonium lord
373436 | Zig:9    | Noticed Jasm the pandemonium lord
373436 | Zig:9    | Noticed Cab Suox the pandemonium lord
373436 | Zig:9    | Noticed Useext the pandemonium lord
373437 | Zig:9    | Noticed Echum the pandemonium lord
373437 | Zig:9    | Noticed Riblon the pandemonium lord
373437 | Zig:9    | Noticed Basenun the pandemonium lord
373438 | Zig:9    | Killed Uwkudwa the pandemonium lord
373438 | Zig:9    | Killed Botrix the pandemonium lord
373438 | Zig:9    | Killed Kihoem the pandemonium lord
373438 | Zig:9    | Killed Hemeom Uzol the pandemonium lord
373438 | Zig:9    | Killed Bukock the pandemonium lord
373439 | Zig:9    | Noticed Jateoj the pandemonium lord
373440 | Zig:9    | Killed Ahiupt the pandemonium lord
373440 | Zig:9    | Killed Hiam the pandemonium lord
373440 | Zig:9    | Killed Nueghig the pandemonium lord
373440 | Zig:9    | Killed Echum the pandemonium lord
373440 | Zig:9    | Killed Lapapnab the pandemonium lord
373440 | Zig:9    | Killed Jigot the pandemonium lord
373442 | Zig:9    | Killed Udohafun the pandemonium lord
373442 | Zig:9    | Killed Cab Suox the pandemonium lord
373442 | Zig:9    | Killed Acseozim the pandemonium lord
373442 | Zig:9    | Killed Jasm the pandemonium lord
373442 | Zig:9    | Killed Useext the pandemonium lord
373442 | Zig:9    | Killed Basenun the pandemonium lord
373445 | Zig:9    | Killed Kah Oruf the pandemonium lord
373445 | Zig:9    | Killed Riblon the pandemonium lord
373447 | Zig:9    | Killed Jateoj the pandemonium lord
373490 | Zig:9    | Identified the +0 chain mail "Mingod" {+Blink SInv}
373494 | Zig:9    | Identified the +7 short sword of Eppis {flame, rC++ Dex-2}
373496 | Zig:9    | Identified the ring of Ykoucy {rF+ rN+ Will+ Dex+2}
373498 | Zig:9    | Identified the +2 leather armour "Joyplei" {Regen+}
373500 | Zig:9    | Identified the +2 war axe of Vittown {antimagic, rF- rC+
                  | Int+3 Dex+2}
373726 | Zig:10   | Entered Level 10 of a ziggurat
373750 | Zig:11   | Entered Level 11 of a ziggurat
373782 | Zig:12   | Entered Level 12 of a ziggurat
374065 | Zig:12   | Identified the +1 orcbow of the Water Diviner {drain, Int+5
                  | Dex-5}
374075 | Zig:12   | Identified the +6 rapier of the Undead {flame, rCorr MP+9
                  | Int-5 SInv}
374077 | Zig:12   | Identified the +1 helmet of Xujyamic {rPois rCorr Dex-5}
374132 | Zig:12   | Identified the ring of Surprise {rF+ rCorr Str+2 Int+3
                  | Dex-3}
374182 | Zig:13   | Entered Level 13 of a ziggurat
374182 | Zig:13   | Noticed an ancient lich
374183 | Zig:13   | Killed an ancient lich
374222 | Zig:14   | Entered Level 14 of a ziggurat
374226 | Zig:14   | Noticed an ancient lich
374235 | Zig:14   | Killed an ancient lich
374236 | Zig:14   | Paralysed by accursed screaming for 1 turns
374534 | Zig:14   | Identified the +1 leather armour of Honour {Dex+2}
374559 | Zig:14   | Identified the +6 hand cannon of Ambiguity {penet, rC+ rN+
                  | Str+3}
374570 | Zig:14   | Identified the amulet "Luovoi" {Acrobat rC+ Will- Regen+
                  | Int+2}
374574 | Zig:14   | Identified the staff of Dissatisfaction {rElec Dex+3 Air}
374588 | Zig:14   | Identified the +3 pair of gloves "Enatrise" {Str+3 SInv}
374596 | Zig:14   | Identified the +5 great mace of Raorop {elec, rC+ Str+3}
374597 | Zig:14   | Identified the +6 dagger "Zuloenee" {pain, rPois Will-
                  | Str+3}
374602 | Zig:14   | Identified the +0 cloak "Akleicoc" {rElec Regen+ Str-4
                  | Int+5}
374604 | Zig:14   | Identified the +8 whip "Kafeiqi" {drain, rC+}
374618 | Zig:14   | Identified the amulet of Pairgh {Fly rElec Regen+}
374675 | Zig:15   | Entered Level 15 of a ziggurat
374704 | Zig:16   | Entered Level 16 of a ziggurat
374738 | Zig:17   | Entered Level 17 of a ziggurat
374754 | Zig:17   | Noticed Gevuneng the pandemonium lord
374768 | Zig:17   | Killed Gevuneng the pandemonium lord
374779 | Zig:17   | Identified the ring of Spontaneous Combustion {rElec rCorr}
374788 | Zig:17   | Identified the +1 triple crossbow "Arodam" {freeze, rF+
                  | Str+3}
374794 | Zig:17   | Identified the +2 pair of gloves of the Doldrums {rPois
                  | Will++ Str-4 SInv}
374846 | Zig:17   | Identified the +0 dagger "Giant's Toothpick" {speed, rF+
                  | Str-4 Int+4 SInv}
374848 | Zig:17   | Identified the ring of Rogh {Fly Will++ Int+2 Dex+6 Slay-2}
374852 | Zig:17   | Identified the amulet "Juahidgh" {Acrobat Int+3}
375192 | Zig:18   | Entered Level 18 of a ziggurat
375223 | Zig:19   | Entered Level 19 of a ziggurat
375238 | Zig:19   | Noticed a royal mummy
375250 | Zig:19   | Identified the +2 robe "Ijavu" {+Blink rPois}
375257 | Zig:20   | Entered Level 20 of a ziggurat
375659 | Zig:20   | Identified the +1 shortbow "Ikher" {drain, rN+ Str+3
                  | Stlth+}
375671 | Zig:20   | Identified the ring "Baajadgha" {Wiz rF+ rN+ rCorr Str+3
                  | Dex-4}
375705 | Zig:20   | Identified the +9 halberd of the Bedazzled God {drain,
                  | +Blink rF+ Stlth+}
375707 | Zig:20   | Identified the +0 leather armour of Too Many Cooks
                  | {*Corrode rElec rC+}
375715 | Zig:20   | Identified the +1 long sword "Jyuraus" {antimagic, rPois
                  | rC- rN++ SInv}
375732 | Zig:20   | Identified the +7 long sword of Distant Worlds {freeze,
                  | ^Drain rN++ rCorr SInv}
375788 | Zig:21   | Entered Level 21 of a ziggurat
375788 | Zig:21   | Noticed an ancient lich
375788 | Zig:21   | Noticed a dread lich
375788 | Zig:21   | Noticed a dread lich
375788 | Zig:21   | Noticed a dread lich
375788 | Zig:21   | Noticed an ancient lich
375788 | Zig:21   | Noticed a dread lich
375788 | Zig:21   | Noticed an ancient lich
375788 | Zig:21   | Noticed a dread lich
375788 | Zig:21   | Noticed a dread lich
375788 | Zig:21   | Noticed a dread lich
375788 | Zig:21   | Noticed a dread lich
375788 | Zig:21   | Noticed an ancient lich
375788 | Zig:21   | Noticed a dread lich
375788 | Zig:21   | Noticed an ancient lich
375788 | Zig:21   | Noticed an ancient lich
375788 | Zig:21   | Noticed a dread lich
375788 | Zig:21   | Noticed an ancient lich
375788 | Zig:21   | Noticed an ancient lich
375788 | Zig:21   | Noticed a dread lich
375788 | Zig:21   | Noticed a dread lich
375788 | Zig:21   | Noticed a dread lich
375788 | Zig:21   | Noticed a dread lich
375788 | Zig:21   | Noticed a dread lich
375788 | Zig:21   | Noticed a dread lich
375788 | Zig:21   | Noticed an ancient lich
375788 | Zig:21   | Noticed a dread lich
375788 | Zig:21   | Noticed a dread lich
375788 | Zig:21   | Noticed an ancient lich
375789 | Zig:21   | Killed an ancient lich
375789 | Zig:21   | Killed an ancient lich
375789 | Zig:21   | Killed a dread lich
375789 | Zig:21   | Killed a dread lich
375789 | Zig:21   | Killed a dread lich
375789 | Zig:21   | Killed a dread lich
375789 | Zig:21   | Killed an ancient lich
375789 | Zig:21   | Killed a dread lich
375789 | Zig:21   | Killed an ancient lich
375789 | Zig:21   | Killed a dread lich
375789 | Zig:21   | Killed an ancient lich
375789 | Zig:21   | Killed a dread lich
375789 | Zig:21   | Killed a dread lich
375790 | Zig:21   | Noticed an ancient lich
375790 | Zig:21   | Noticed a dread lich
375790 | Zig:21   | Noticed a dread lich
375790 | Zig:21   | Noticed an ancient lich
375790 | Zig:21   | Noticed a dread lich
375790 | Zig:21   | Noticed an ancient lich
375791 | Zig:21   | Noticed an ancient lich
375792 | Zig:21   | Killed an ancient lich
375792 | Zig:21   | Killed a dread lich
375792 | Zig:21   | Killed an ancient lich
375792 | Zig:21   | Killed a dread lich
375792 | Zig:21   | Killed a dread lich
375792 | Zig:21   | Killed an ancient lich
375792 | Zig:21   | Killed an ancient lich
375792 | Zig:21   | Killed an ancient lich
375792 | Zig:21   | Killed a dread lich
375792 | Zig:21   | Killed a dread lich
375792 | Zig:21   | Killed a dread lich
375792 | Zig:21   | Killed a dread lich
375792 | Zig:21   | Killed a dread lich
375792 | Zig:21   | Killed a dread lich
375792 | Zig:21   | Killed an ancient lich
375792 | Zig:21   | Killed a dread lich
375792 | Zig:21   | Killed a dread lich
375792 | Zig:21   | Killed an ancient lich
375792 | Zig:21   | Killed a dread lich
375792 | Zig:21   | Noticed an ancient lich
375793 | Zig:21   | Noticed an ancient lich
375793 | Zig:21   | Noticed a dread lich
375793 | Zig:21   | Noticed an ancient lich
375793 | Zig:21   | Noticed a dread lich
375793 | Zig:21   | Noticed an ancient lich
375793 | Zig:21   | Noticed a dread lich
375794 | Zig:21   | Noticed an ancient lich
375794 | Zig:21   | Noticed a dread lich
375795 | Zig:21   | Killed a dread lich
375795 | Zig:21   | Killed an ancient lich
375795 | Zig:21   | Killed an ancient lich
375795 | Zig:21   | Killed an ancient lich
375795 | Zig:21   | Killed an ancient lich
375795 | Zig:21   | Noticed a dread lich
375795 | Zig:21   | Noticed an ancient lich
375795 | Zig:21   | Noticed a dread lich
375796 | Zig:21   | Noticed an ancient lich
375796 | Zig:21   | Noticed a dread lich
375796 | Zig:21   | Noticed a dread lich
375796 | Zig:21   | Noticed an ancient lich
375796 | Zig:21   | Noticed a dread lich
375796 | Zig:21   | Noticed a dread lich
375796 | Zig:21   | Noticed a dread lich
375796 | Zig:21   | Noticed a dread lich
375796 | Zig:21   | Noticed an ancient lich
375797 | Zig:21   | Noticed a dread lich
375797 | Zig:21   | Noticed a dread lich
375799 | Zig:21   | Noticed a dread lich
375799 | Zig:21   | Noticed a dread lich
375799 | Zig:21   | Noticed a dread lich
375800 | Zig:21   | Noticed a dread lich
375800 | Zig:21   | Noticed an ancient lich
375800 | Zig:21   | Noticed a dread lich
375801 | Zig:21   | Killed a dread lich
375801 | Zig:21   | Killed a dread lich
375801 | Zig:21   | Killed a dread lich
375801 | Zig:21   | Killed a dread lich
375801 | Zig:21   | Killed an ancient lich
375801 | Zig:21   | Killed an ancient lich
375801 | Zig:21   | Killed a dread lich
375801 | Zig:21   | Killed a dread lich
375801 | Zig:21   | Killed a dread lich
375801 | Zig:21   | Killed a dread lich
375801 | Zig:21   | Killed a dread lich
375801 | Zig:21   | Killed a dread lich
375801 | Zig:21   | Killed an ancient lich
375801 | Zig:21   | Noticed a dread lich
375802 | Zig:21   | Noticed a dread lich
375802 | Zig:21   | Noticed a dread lich
375802 | Zig:21   | Noticed an ancient lich
375803 | Zig:21   | Noticed a dread lich
375804 | Zig:21   | Killed a dread lich
375804 | Zig:21   | Killed an ancient lich
375804 | Zig:21   | Killed a dread lich
375804 | Zig:21   | Killed a dread lich
375804 | Zig:21   | Killed a dread lich
375804 | Zig:21   | Killed an ancient lich
375804 | Zig:21   | Killed a dread lich
375804 | Zig:21   | Killed an ancient lich
375804 | Zig:21   | Killed an ancient lich
375804 | Zig:21   | Killed a dread lich
375804 | Zig:21   | Killed a dread lich
375804 | Zig:21   | Killed a dread lich
375804 | Zig:21   | Killed a dread lich
375804 | Zig:21   | Killed an ancient lich
375804 | Zig:21   | Killed a dread lich
375804 | Zig:21   | Killed a dread lich
375804 | Zig:21   | Killed a dread lich
375804 | Zig:21   | Noticed a dread lich
375805 | Zig:21   | Noticed an ancient lich
375805 | Zig:21   | Noticed a dread lich
375806 | Zig:21   | Noticed an ancient lich
375806 | Zig:21   | Noticed a dread lich
375806 | Zig:21   | Noticed a dread lich
375806 | Zig:21   | Noticed an ancient lich
375807 | Zig:21   | Killed an ancient lich
375807 | Zig:21   | Noticed a dread lich
375808 | Zig:21   | Noticed a dread lich
375809 | Zig:21   | Noticed an ancient lich
375809 | Zig:21   | Noticed an ancient lich
375810 | Zig:21   | Killed an ancient lich
375810 | Zig:21   | Killed a dread lich
375810 | Zig:21   | Killed a dread lich
375810 | Zig:21   | Killed a dread lich
375810 | Zig:21   | Killed an ancient lich
375810 | Zig:21   | Killed a dread lich
375810 | Zig:21   | Killed a dread lich
375810 | Zig:21   | Killed an ancient lich
375810 | Zig:21   | Killed a dread lich
375810 | Zig:21   | Killed a dread lich
375810 | Zig:21   | Killed an ancient lich
375810 | Zig:21   | Killed an ancient lich
375810 | Zig:21   | Noticed a dread lich
375811 | Zig:21   | Noticed a dread lich
375811 | Zig:21   | Noticed an ancient lich
375812 | Zig:21   | Noticed a dread lich
375812 | Zig:21   | Noticed an ancient lich
375814 | Zig:21   | Killed a dread lich
375814 | Zig:21   | Killed a dread lich
375818 | Zig:21   | Killed an ancient lich
375821 | Zig:21   | Killed a dread lich
375821 | Zig:21   | Killed an ancient lich
375833 | Zig:21   | Identified the staff of Darkness {^Drain rC- rN+ Str+7
                  | Necro Earth}
375841 | Zig:22   | Entered Level 22 of a ziggurat
375841 | Zig:22   | Noticed an orb of fire
375841 | Zig:22   | Noticed an orb of fire
375841 | Zig:22   | Noticed an orb of fire
375841 | Zig:22   | Noticed an orb of fire
375841 | Zig:22   | Noticed an orb of fire
375841 | Zig:22   | Noticed an orb of fire
375841 | Zig:22   | Noticed an orb of fire
375841 | Zig:22   | Noticed an orb of fire
375841 | Zig:22   | Noticed an orb of fire
375841 | Zig:22   | Noticed an orb of fire
375841 | Zig:22   | Noticed an orb of fire
375841 | Zig:22   | Noticed an orb of fire
375841 | Zig:22   | Noticed an orb of fire
375841 | Zig:22   | Noticed an orb of fire
375841 | Zig:22   | Noticed an orb of fire
375841 | Zig:22   | Noticed an orb of fire
375841 | Zig:22   | Noticed an orb of fire
375841 | Zig:22   | Noticed an orb of fire
375841 | Zig:22   | Noticed an orb of fire
375841 | Zig:22   | Noticed an orb of fire
375841 | Zig:22   | Noticed an orb of fire
375841 | Zig:22   | Noticed an orb of fire
375841 | Zig:22   | Noticed an orb of fire
375841 | Zig:22   | Noticed an orb of fire
375841 | Zig:22   | Noticed an orb of fire
375841 | Zig:22   | Noticed an orb of fire
375841 | Zig:22   | Noticed an orb of fire
375843 | Zig:22   | Noticed an orb of fire
375844 | Zig:22   | Noticed an orb of fire
375844 | Zig:22   | Killed an orb of fire
375844 | Zig:22   | Noticed an orb of fire
375844 | Zig:22   | Noticed an orb of fire
375845 | Zig:22   | Noticed an orb of fire
375845 | Zig:22   | Noticed an orb of fire
375845 | Zig:22   | Noticed an orb of fire
375845 | Zig:22   | Noticed an orb of fire
375845 | Zig:22   | Noticed an orb of fire
375845 | Zig:22   | Noticed an orb of fire
375845 | Zig:22   | Noticed an orb of fire
375845 | Zig:22   | Noticed an orb of fire
375845 | Zig:22   | Noticed an orb of fire
375845 | Zig:22   | Noticed an orb of fire
375845 | Zig:22   | Noticed an orb of fire
375846 | Zig:22   | Killed an orb of fire
375846 | Zig:22   | Killed an orb of fire
375846 | Zig:22   | Killed an orb of fire
375847 | Zig:22   | Killed an orb of fire
375847 | Zig:22   | Killed an orb of fire
375847 | Zig:22   | Killed an orb of fire
375847 | Zig:22   | Killed an orb of fire
375847 | Zig:22   | Killed an orb of fire
375847 | Zig:22   | Noticed an orb of fire
375847 | Zig:22   | Noticed an orb of fire
375848 | Zig:22   | Noticed an orb of fire
375848 | Zig:22   | Noticed an orb of fire
375848 | Zig:22   | Noticed an orb of fire
375848 | Zig:22   | Noticed an orb of fire
375848 | Zig:22   | Noticed an orb of fire
375848 | Zig:22   | Noticed an orb of fire
375849 | Zig:22   | Noticed an orb of fire
375849 | Zig:22   | Killed an orb of fire
375849 | Zig:22   | Killed an orb of fire
375849 | Zig:22   | Killed an orb of fire
375849 | Zig:22   | Killed an orb of fire
375849 | Zig:22   | Killed an orb of fire
375849 | Zig:22   | Killed an orb of fire
375849 | Zig:22   | Killed an orb of fire
375849 | Zig:22   | Killed an orb of fire
375849 | Zig:22   | Killed an orb of fire
375849 | Zig:22   | Killed an orb of fire
375849 | Zig:22   | Killed an orb of fire
375849 | Zig:22   | Noticed an orb of fire
375850 | Zig:22   | Noticed an orb of fire
375850 | Zig:22   | Noticed an orb of fire
375850 | Zig:22   | Noticed an orb of fire
375851 | Zig:22   | Noticed an orb of fire
375851 | Zig:22   | Noticed an orb of fire
375852 | Zig:22   | Killed an orb of fire
375852 | Zig:22   | Killed an orb of fire
375852 | Zig:22   | Killed an orb of fire
375852 | Zig:22   | Killed an orb of fire
375852 | Zig:22   | Killed an orb of fire
375852 | Zig:22   | Killed an orb of fire
375852 | Zig:22   | Killed an orb of fire
375852 | Zig:22   | Killed an orb of fire
375853 | Zig:22   | Noticed an orb of fire
375853 | Zig:22   | Noticed an orb of fire
375853 | Zig:22   | Noticed an orb of fire
375853 | Zig:22   | Noticed an orb of fire
375853 | Zig:22   | Noticed an orb of fire
375854 | Zig:22   | Noticed an orb of fire
375854 | Zig:22   | Killed an orb of fire
375854 | Zig:22   | Killed an orb of fire
375854 | Zig:22   | Killed an orb of fire
375854 | Zig:22   | Killed an orb of fire
375854 | Zig:22   | Killed an orb of fire
375854 | Zig:22   | Killed an orb of fire
375854 | Zig:22   | Killed an orb of fire
375854 | Zig:22   | Killed an orb of fire
375854 | Zig:22   | Killed an orb of fire
375854 | Zig:22   | Killed an orb of fire
375854 | Zig:22   | Killed an orb of fire
375854 | Zig:22   | Killed an orb of fire
375855 | Zig:22   | Killed an orb of fire
375855 | Zig:22   | Killed an orb of fire
375855 | Zig:22   | Killed an orb of fire
375855 | Zig:22   | Killed an orb of fire
375855 | Zig:22   | Killed an orb of fire
375856 | Zig:22   | Noticed an orb of fire
375856 | Zig:22   | Noticed an orb of fire
375856 | Zig:22   | Noticed an orb of fire
375856 | Zig:22   | Noticed an orb of fire
375857 | Zig:22   | Noticed an orb of fire
375857 | Zig:22   | Killed an orb of fire
375857 | Zig:22   | Killed an orb of fire
375857 | Zig:22   | Killed an orb of fire
375857 | Zig:22   | Killed an orb of fire
375858 | Zig:22   | Noticed an orb of fire
375858 | Zig:22   | Noticed an orb of fire
375858 | Zig:22   | Noticed an orb of fire
375858 | Zig:22   | Noticed an orb of fire
375858 | Zig:22   | Noticed an orb of fire
375858 | Zig:22   | Noticed an orb of fire
375858 | Zig:22   | Noticed an orb of fire
375858 | Zig:22   | Noticed an orb of fire
375859 | Zig:22   | Killed an orb of fire
375859 | Zig:22   | Killed an orb of fire
375859 | Zig:22   | Killed an orb of fire
375859 | Zig:22   | Killed an orb of fire
375859 | Zig:22   | Killed an orb of fire
375859 | Zig:22   | Killed an orb of fire
375859 | Zig:22   | Killed an orb of fire
375860 | Zig:22   | Noticed an orb of fire
375860 | Zig:22   | Noticed an orb of fire
375862 | Zig:22   | Noticed an orb of fire
375862 | Zig:22   | Noticed an orb of fire
375862 | Zig:22   | Noticed an orb of fire
375862 | Zig:22   | Noticed an orb of fire
375862 | Zig:22   | Noticed an orb of fire
375862 | Zig:22   | Noticed an orb of fire
375863 | Zig:22   | Killed an orb of fire
375863 | Zig:22   | Killed an orb of fire
375863 | Zig:22   | Killed an orb of fire
375863 | Zig:22   | Killed an orb of fire
375864 | Zig:22   | Killed an orb of fire
375864 | Zig:22   | Killed an orb of fire
375864 | Zig:22   | Killed an orb of fire
375864 | Zig:22   | Killed an orb of fire
375864 | Zig:22   | Killed an orb of fire
375864 | Zig:22   | Killed an orb of fire
375864 | Zig:22   | Killed an orb of fire
375864 | Zig:22   | Noticed an orb of fire
375865 | Zig:22   | Noticed an orb of fire
375865 | Zig:22   | Noticed an orb of fire
375866 | Zig:22   | Killed an orb of fire
375866 | Zig:22   | Killed an orb of fire
375866 | Zig:22   | Killed an orb of fire
375866 | Zig:22   | Killed an orb of fire
375866 | Zig:22   | Killed an orb of fire
375866 | Zig:22   | Killed an orb of fire
375866 | Zig:22   | Noticed an orb of fire
375866 | Zig:22   | Noticed an orb of fire
375867 | Zig:22   | Noticed an orb of fire
375867 | Zig:22   | Noticed an orb of fire
375867 | Zig:22   | Noticed an orb of fire
375868 | Zig:22   | Killed an orb of fire
375868 | Zig:22   | Killed an orb of fire
375868 | Zig:22   | Killed an orb of fire
375868 | Zig:22   | Killed an orb of fire
375868 | Zig:22   | Killed an orb of fire
375868 | Zig:22   | Killed an orb of fire
375868 | Zig:22   | Killed an orb of fire
375868 | Zig:22   | Killed an orb of fire
375868 | Zig:22   | Killed an orb of fire
375868 | Zig:22   | Killed an orb of fire
375872 | Zig:22   | Killed an orb of fire
375872 | Zig:22   | Killed an orb of fire
375872 | Zig:22   | Killed an orb of fire
375874 | Zig:22   | Killed an orb of fire
375874 | Zig:22   | Killed an orb of fire
375874 | Zig:22   | Killed an orb of fire
375874 | Zig:22   | Killed an orb of fire
375874 | Zig:22   | Killed an orb of fire
375877 | Zig:22   | Killed an orb of fire
376194 | Zig:22   | Identified the ring of Abituc {rF+ rC+ SInv}
376210 | Zig:22   | Identified the ring of Tuepoap {Str+6 Slay+2}
376214 | Zig:22   | Identified the +1 short sword of Nightmares {venom, rPois
                  | rN+ Dex+2}
376281 | Zig:22   | Identified the +1 glaive of Sudden Death {flame, Str+2
                  | Stlth+}
376289 | Zig:22   | Identified the +1 leather armour of Polish {MP+9 Slay+3}
376293 | Zig:22   | Identified the +6 quarterstaff of Valiance {drain, Int+2
                  | Stlth+}
376297 | Zig:22   | Identified the +0 ring mail of Light {*Slow rC+ Regen+
                  | Str+5}
376306 | Zig:22   | Identified the +4 plate armour of the Accordion {*Corrode
                  | Int+5}
376327 | Zig:22   | Identified the +0 buckler of the Present {^Drain rN++
                  | Slay+2}
376331 | Zig:22   | Identified the ring "Enlov" {^Drain rF++ rN+ Will+ Stlth+}
376342 | Zig:22   | Identified the ring of Pride {Fly Str+6 Dex+3}
376346 | Zig:22   | Identified the +4 dire flail "Kettap" {speed, rPois Int+5}
376347 | Zig:22   | Identified the +1 mace of Foriss {heavy, rN+ Int+2}
376393 | Zig:22   | Identified the +3 broad axe "Killer Bee's Death" {elec,
                  | rElec}
376394 | Zig:22   | Identified the ring of the Demonic God {*Slow MP+9 Str+2
                  | Int+8 Dex-4}
376472 | Zig:22   | Identified the +2 helmet "Vioto" {rC+++ Regen+ Int+3
                  | Stlth-}
376492 | Zig:23   | Entered Level 23 of a ziggurat
376518 | Zig:23   | Noticed Tauhu the pandemonium lord
376523 | Zig:23   | Killed Tauhu the pandemonium lord
376527 | Zig:23   | Identified the +10 dagger of the Shrinking Gods {vamp,
                  | ^Fragile Will+ Str+9}
376528 | Zig:23   | Identified the ring "Hauzop" {Ice rN++ Int-4}
376538 | Zig:23   | Identified the +1 helmet of Okawaru's Esteem {rElec rF-
                  | rCorr Str+2}
376544 | Zig:24   | Entered Level 24 of a ziggurat
376544 | Zig:24   | Noticed a dread lich
376544 | Zig:24   | Noticed a dread lich
376544 | Zig:24   | Noticed an ancient lich
376544 | Zig:24   | Noticed an ancient lich
376544 | Zig:24   | Noticed a dread lich
376544 | Zig:24   | Noticed a dread lich
376544 | Zig:24   | Noticed an ancient lich
376544 | Zig:24   | Noticed a dread lich
376544 | Zig:24   | Noticed an ancient lich
376544 | Zig:24   | Noticed an ancient lich
376544 | Zig:24   | Noticed a dread lich
376544 | Zig:24   | Noticed a dread lich
376544 | Zig:24   | Noticed a dread lich
376544 | Zig:24   | Noticed a dread lich
376544 | Zig:24   | Noticed an ancient lich
376544 | Zig:24   | Noticed a dread lich
376544 | Zig:24   | Noticed a dread lich
376544 | Zig:24   | Noticed a dread lich
376544 | Zig:24   | Noticed a dread lich
376544 | Zig:24   | Noticed a dread lich
376544 | Zig:24   | Noticed an ancient lich
376545 | Zig:24   | Killed a dread lich
376545 | Zig:24   | Killed a dread lich
376545 | Zig:24   | Killed an ancient lich
376545 | Zig:24   | Killed an ancient lich
376545 | Zig:24   | Killed a dread lich
376545 | Zig:24   | Killed a dread lich
376545 | Zig:24   | Killed a dread lich
376545 | Zig:24   | Killed a dread lich
376545 | Zig:24   | Killed a dread lich
376546 | Zig:24   | Killed a dread lich
376546 | Zig:24   | Killed a dread lich
376546 | Zig:24   | Killed an ancient lich
376546 | Zig:24   | Killed a dread lich
376546 | Zig:24   | Killed an ancient lich
376546 | Zig:24   | Killed an ancient lich
376546 | Zig:24   | Killed a dread lich
376546 | Zig:24   | Killed a dread lich
376546 | Zig:24   | Killed an ancient lich
376546 | Zig:24   | Killed an ancient lich
376546 | Zig:24   | Killed a dread lich
376546 | Zig:24   | Killed a dread lich
376546 | Zig:24   | Noticed a dread lich
376546 | Zig:24   | Noticed a dread lich
376547 | Zig:24   | Noticed a dread lich
376547 | Zig:24   | Noticed an ancient lich
376547 | Zig:24   | Noticed a dread lich
376548 | Zig:24   | Noticed a dread lich
376548 | Zig:24   | Noticed an ancient lich
376548 | Zig:24   | Noticed an ancient lich
376548 | Zig:24   | Noticed a dread lich
376548 | Zig:24   | Noticed a dread lich
376548 | Zig:24   | Noticed a dread lich
376548 | Zig:24   | Noticed a dread lich
376549 | Zig:24   | Noticed a dread lich
376549 | Zig:24   | Noticed an ancient lich
376549 | Zig:24   | Killed an ancient lich
376549 | Zig:24   | Killed a dread lich
376549 | Zig:24   | Noticed a dread lich
376550 | Zig:24   | Noticed a dread lich
376550 | Zig:24   | Noticed a dread lich
376550 | Zig:24   | Noticed a dread lich
376550 | Zig:24   | Noticed a dread lich
376551 | Zig:24   | Noticed a dread lich
376551 | Zig:24   | Noticed an ancient lich
376551 | Zig:24   | Noticed a dread lich
376551 | Zig:24   | Noticed a dread lich
376551 | Zig:24   | Noticed an ancient lich
376551 | Zig:24   | Noticed a dread lich
376552 | Zig:24   | Killed a dread lich
376552 | Zig:24   | Killed a dread lich
376552 | Zig:24   | Killed a dread lich
376552 | Zig:24   | Killed a dread lich
376552 | Zig:24   | Killed an ancient lich
376552 | Zig:24   | Killed a dread lich
376552 | Zig:24   | Killed a dread lich
376552 | Zig:24   | Killed a dread lich
376552 | Zig:24   | Killed a dread lich
376552 | Zig:24   | Killed a dread lich
376552 | Zig:24   | Killed a dread lich
376552 | Zig:24   | Killed a dread lich
376552 | Zig:24   | Killed an ancient lich
376552 | Zig:24   | Killed a dread lich
376552 | Zig:24   | Killed an ancient lich
376552 | Zig:24   | Noticed a dread lich
376552 | Zig:24   | Noticed a dread lich
376552 | Zig:24   | Noticed an ancient lich
376552 | Zig:24   | Noticed a dread lich
376554 | Zig:24   | Killed an ancient lich
376554 | Zig:24   | Killed a dread lich
376554 | Zig:24   | Killed a dread lich
376554 | Zig:24   | Killed a dread lich
376554 | Zig:24   | Killed a dread lich
376554 | Zig:24   | Killed an ancient lich
376554 | Zig:24   | Killed an ancient lich
376554 | Zig:24   | Killed a dread lich
376554 | Zig:24   | Killed a dread lich
376554 | Zig:24   | Noticed a dread lich
376554 | Zig:24   | Noticed an ancient lich
376554 | Zig:24   | Noticed an ancient lich
376554 | Zig:24   | Killed a dread lich
376555 | Zig:24   | Noticed a dread lich
376555 | Zig:24   | Noticed a dread lich
376555 | Zig:24   | Noticed a dread lich
376555 | Zig:24   | Noticed a dread lich
376555 | Zig:24   | Noticed a dread lich
376555 | Zig:24   | Noticed an ancient lich
376556 | Zig:24   | Noticed an ancient lich
376556 | Zig:24   | Noticed a dread lich
376556 | Zig:24   | Noticed an ancient lich
376557 | Zig:24   | Noticed a dread lich
376558 | Zig:24   | Killed a dread lich
376558 | Zig:24   | Killed an ancient lich
376558 | Zig:24   | Killed a dread lich
376558 | Zig:24   | Killed an ancient lich
376558 | Zig:24   | Killed a dread lich
376558 | Zig:24   | Killed a dread lich
376558 | Zig:24   | Killed an ancient lich
376558 | Zig:24   | Noticed a dread lich
376558 | Zig:24   | Noticed a dread lich
376559 | Zig:24   | Noticed an ancient lich
376559 | Zig:24   | Noticed an ancient lich
376559 | Zig:24   | Noticed a dread lich
376559 | Zig:24   | Noticed a dread lich
376559 | Zig:24   | Noticed a dread lich
376559 | Zig:24   | Noticed an ancient lich
376559 | Zig:24   | Noticed a dread lich
376560 | Zig:24   | Noticed an ancient lich
376560 | Zig:24   | Noticed an ancient lich
376560 | Zig:24   | Noticed an ancient lich
376560 | Zig:24   | Noticed a dread lich
376560 | Zig:24   | Noticed a dread lich
376560 | Zig:24   | Killed an ancient lich
376561 | Zig:24   | Noticed an ancient lich
376561 | Zig:24   | Noticed an ancient lich
376561 | Zig:24   | Noticed a dread lich
376562 | Zig:24   | Killed a dread lich
376562 | Zig:24   | Killed a dread lich
376562 | Zig:24   | Killed an ancient lich
376562 | Zig:24   | Killed an ancient lich
376562 | Zig:24   | Killed an ancient lich
376562 | Zig:24   | Killed a dread lich
376562 | Zig:24   | Killed a dread lich
376562 | Zig:24   | Killed a dread lich
376562 | Zig:24   | Killed a dread lich
376562 | Zig:24   | Killed a dread lich
376562 | Zig:24   | Killed an ancient lich
376562 | Zig:24   | Killed a dread lich
376562 | Zig:24   | Killed a dread lich
376562 | Zig:24   | Noticed an ancient lich
376562 | Zig:24   | Noticed an ancient lich
376563 | Zig:24   | Noticed an ancient lich
376563 | Zig:24   | Noticed a dread lich
376563 | Zig:24   | Noticed an ancient lich
376563 | Zig:24   | Noticed an ancient lich
376564 | Zig:24   | Noticed an ancient lich
376564 | Zig:24   | Noticed a dread lich
376564 | Zig:24   | Noticed a dread lich
376565 | Zig:24   | Noticed a dread lich
376565 | Zig:24   | Killed a dread lich
376565 | Zig:24   | Killed an ancient lich
376565 | Zig:24   | Killed a dread lich
376565 | Zig:24   | Killed a dread lich
376565 | Zig:24   | Killed a dread lich
376565 | Zig:24   | Killed an ancient lich
376565 | Zig:24   | Killed an ancient lich
376565 | Zig:24   | Killed an ancient lich
376565 | Zig:24   | Killed an ancient lich
376565 | Zig:24   | Killed an ancient lich
376565 | Zig:24   | Killed an ancient lich
376565 | Zig:24   | Killed a dread lich
376565 | Zig:24   | Noticed a dread lich
376566 | Zig:24   | Noticed a dread lich
376566 | Zig:24   | Noticed a dread lich
376567 | Zig:24   | Noticed a dread lich
376568 | Zig:24   | Noticed a dread lich
376569 | Zig:24   | Killed an ancient lich
376569 | Zig:24   | Killed an ancient lich
376569 | Zig:24   | Killed a dread lich
376569 | Zig:24   | Killed a dread lich
376569 | Zig:24   | Killed an ancient lich
376569 | Zig:24   | Killed a dread lich
376569 | Zig:24   | Killed a dread lich
376569 | Zig:24   | Killed a dread lich
376569 | Zig:24   | Killed a dread lich
376572 | Zig:24   | Killed a dread lich
376572 | Zig:24   | Killed a dread lich
376572 | Zig:24   | Killed an ancient lich
376572 | Zig:24   | Killed a dread lich
376572 | Zig:24   | Killed a dread lich
376847 | Zig:24   | Identified the +12 shortbow "Daazxoir" {antimagic, Dex+3}
376849 | Zig:24   | Identified the staff of Contumacious Tenacity {rN+ Dex-5
                  | Stlth+ Earth}
376855 | Zig:24   | Identified the ring "Fiafust" {Fly rF+ Stlth+}
376869 | Zig:24   | Identified the staff of Poguuh Panon {*Corrode +Blink rC+
                  | Str+6 Necro Ice}
376873 | Zig:24   | Identified the +10 chain mail of Yworuhan {rCorr Str+3}
377039 | Zig:24   | Identified the +7 flail "Ummis" {flame, rC+ Str-5 Int+8}
377045 | Zig:24   | Identified the +3 leather armour "Buomm" {rN+ Int+3 Stlth+}
377048 | Zig:24   | Identified the +9 spear of Zin's Whim {holy, ^Drain rF+
                  | rC++ rN+}
377057 | Zig:24   | Identified the +7 scimitar "X" {protect, *Noise Int+4
                  | Dex+4}
377079 | Zig:24   | Identified the amulet of Olegegum {Spirit Int+3}
377106 | Zig:24   | Identified the ring "Ququxkeq" {Ice rPois}
377109 | Zig:24   | Identified the +0 plate armour of Compassion {rF+ rN+
                  | Int+3}
377110 | Zig:24   | Identified the +7 war axe "With" {vamp, *Corrode rPois rN+
                  | SInv}
377111 | Zig:24   | Identified the +8 trident of Valour {flame, rN+}
377117 | Zig:24   | Identified the orb "Jumn" {mayhem, +Inv}
377132 | Zig:24   | Identified the +0 ring mail of the Realm of Zot {rN+ rCorr
                  | Str+2 Int+3}
377133 | Zig:24   | Identified the ring of Ysiyr {rElec Will+ Dex+6}
377141 | Zig:24   | Identified the +2 pair of boots of the Devil's Team {rN++
                  | Int+3 Dex-2}
377150 | Zig:24   | Identified the +1 whip of Regicide {flame, rPois MP+9
                  | Int+4}
377157 | Zig:24   | Identified the +12 great sword "Omaonige" {drain, rN++
                  | rCorr Str+3}
377184 | Zig:24   | Identified the +0 ring mail of the Battered Ghosts {Fly rC+
                  | rN+ Slay-5}
377207 | Zig:25   | Entered Level 25 of a ziggurat
377243 | Zig:25   | Noticed a dread lich
377245 | Abyss:7  | Entered Level 7 of the Abyss
377245 | Abyss:7  | Cast into level 7 of the Abyss (unwielding a weapon of
                  | distortion)
377305 | Zig:25   | Escaped the Abyss
377314 | Zig:25   | Killed a dread lich
377324 | Zig:25   | Noticed a dread lich
377346 | Zig:25   | Killed a dread lich
377850 | Zig:25   | Identified the amulet of Divine Compulsion {Faith +Inv
                  | rCorr MP+9 Dex+2}
377854 | Zig:25   | Identified the +6 scale mail of Qazlal's Whim {Str+6 Int+3}
377862 | Zig:25   | Identified the +7 glaive "Cosun" {protect, rElec}
377866 | Zig:25   | Identified the +4 flail of Noirr {drain, Will+ Dex+3}
377869 | Zig:25   | Identified the +1 short sword of Dung {vamp, rCorr Str+3}
377870 | Zig:25   | Identified the +5 leather armour of the Protecting Gods
                  | {Regen+}
377874 | Zig:25   | Identified the ring of Temperance {^Drain +Blink EV+5
                  | Slay+5}
377903 | Zig:25   | Identified the +3 hand axe of Intense Tortfeasance {freeze,
                  | Str+4 Stlth+}
378046 | Zig:26   | Entered Level 26 of a ziggurat
378046 | Zig:26   | Noticed a juggernaut
378046 | Zig:26   | Noticed a juggernaut
378046 | Zig:26   | Noticed a juggernaut
378046 | Zig:26   | Noticed a juggernaut
378046 | Zig:26   | Noticed a juggernaut
378046 | Zig:26   | Noticed a juggernaut
378046 | Zig:26   | Noticed a juggernaut
378046 | Zig:26   | Noticed a juggernaut
378046 | Zig:26   | Noticed a juggernaut
378046 | Zig:26   | Noticed a juggernaut
378046 | Zig:26   | Noticed a juggernaut
378046 | Zig:26   | Noticed a juggernaut
378046 | Zig:26   | Noticed a juggernaut
378046 | Zig:26   | Noticed a juggernaut
378046 | Zig:26   | Noticed a juggernaut
378047 | Zig:26   | Killed a juggernaut
378047 | Zig:26   | Killed a juggernaut
378047 | Zig:26   | Killed a juggernaut
378047 | Zig:26   | Killed a juggernaut
378047 | Zig:26   | Killed a juggernaut
378047 | Zig:26   | Killed a juggernaut
378047 | Zig:26   | Killed a juggernaut
378047 | Zig:26   | Killed a juggernaut
378047 | Zig:26   | Killed a juggernaut
378047 | Zig:26   | Killed a juggernaut
378047 | Zig:26   | Killed a juggernaut
378047 | Zig:26   | Killed a juggernaut
378048 | Zig:26   | Noticed a juggernaut
378048 | Zig:26   | Noticed a juggernaut
378049 | Zig:26   | Noticed a juggernaut
378049 | Zig:26   | Noticed a juggernaut
378049 | Zig:26   | Noticed a juggernaut
378051 | Zig:26   | Killed a juggernaut
378051 | Zig:26   | Killed a juggernaut
378051 | Zig:26   | Killed a juggernaut
378051 | Zig:26   | Killed a juggernaut
378051 | Zig:26   | Killed a juggernaut
378052 | Zig:26   | Noticed a juggernaut
378052 | Zig:26   | Noticed a juggernaut
378052 | Zig:26   | Noticed a juggernaut
378052 | Zig:26   | Killed a juggernaut
378053 | Zig:26   | Noticed a juggernaut
378053 | Zig:26   | Noticed a juggernaut
378053 | Zig:26   | Noticed a juggernaut
378053 | Zig:26   | Noticed a juggernaut
378053 | Zig:26   | Noticed a juggernaut
378053 | Zig:26   | Noticed a juggernaut
378053 | Zig:26   | Noticed a juggernaut
378054 | Zig:26   | Noticed a juggernaut
378054 | Zig:26   | Noticed a juggernaut
378054 | Zig:26   | Noticed a juggernaut
378054 | Zig:26   | Noticed a juggernaut
378054 | Zig:26   | Noticed a juggernaut
378055 | Zig:26   | Noticed a juggernaut
378055 | Zig:26   | Killed a juggernaut
378055 | Zig:26   | Killed a juggernaut
378055 | Zig:26   | Killed a juggernaut
378055 | Zig:26   | Killed a juggernaut
378055 | Zig:26   | Killed a juggernaut
378055 | Zig:26   | Killed a juggernaut
378055 | Zig:26   | Killed a juggernaut
378055 | Zig:26   | Killed a juggernaut
378055 | Zig:26   | Killed a juggernaut
378056 | Zig:26   | Noticed a juggernaut
378056 | Zig:26   | Noticed a juggernaut
378056 | Zig:26   | Noticed a juggernaut
378057 | Zig:26   | Noticed a juggernaut
378057 | Zig:26   | Noticed a juggernaut
378057 | Zig:26   | Noticed a juggernaut
378057 | Zig:26   | Noticed a juggernaut
378058 | Zig:26   | Noticed a juggernaut
378058 | Zig:26   | Noticed a juggernaut
378058 | Zig:26   | Killed a juggernaut
378059 | Zig:26   | Noticed a juggernaut
378059 | Zig:26   | Noticed a juggernaut
378059 | Zig:26   | Killed a juggernaut
378059 | Zig:26   | Killed a juggernaut
378059 | Zig:26   | Killed a juggernaut
378059 | Zig:26   | Killed a juggernaut
378059 | Zig:26   | Killed a juggernaut
378059 | Zig:26   | Killed a juggernaut
378059 | Zig:26   | Killed a juggernaut
378059 | Zig:26   | Killed a juggernaut
378059 | Zig:26   | Killed a juggernaut
378059 | Zig:26   | Killed a juggernaut
378059 | Zig:26   | Killed a juggernaut
378059 | Zig:26   | Killed a juggernaut
378059 | Zig:26   | Killed a juggernaut
378059 | Zig:26   | Killed a juggernaut
378060 | Zig:26   | Noticed a juggernaut
378060 | Zig:26   | Noticed a juggernaut
378060 | Zig:26   | Noticed a juggernaut
378060 | Zig:26   | Noticed a juggernaut
378060 | Zig:26   | Noticed a juggernaut
378060 | Zig:26   | Noticed a juggernaut
378061 | Zig:26   | Noticed a juggernaut
378061 | Zig:26   | Noticed a juggernaut
378061 | Zig:26   | Noticed a juggernaut
378061 | Zig:26   | Noticed a juggernaut
378061 | Zig:26   | Noticed a juggernaut
378061 | Zig:26   | Noticed a juggernaut
378061 | Zig:26   | Killed a juggernaut
378061 | Zig:26   | Killed a juggernaut
378062 | Zig:26   | Noticed a juggernaut
378062 | Zig:26   | Noticed a juggernaut
378062 | Zig:26   | Noticed a juggernaut
378063 | Zig:26   | Killed a juggernaut
378063 | Zig:26   | Killed a juggernaut
378063 | Zig:26   | Killed a juggernaut
378063 | Zig:26   | Killed a juggernaut
378063 | Zig:26   | Killed a juggernaut
378063 | Zig:26   | Killed a juggernaut
378063 | Zig:26   | Killed a juggernaut
378063 | Zig:26   | Killed a juggernaut
378063 | Zig:26   | Killed a juggernaut
378063 | Zig:26   | Killed a juggernaut
378063 | Zig:26   | Killed a juggernaut
378063 | Zig:26   | Killed a juggernaut
378063 | Zig:26   | Killed a juggernaut
378063 | Zig:26   | Killed a juggernaut
378063 | Zig:26   | Killed a juggernaut
378063 | Zig:26   | Noticed a juggernaut
378064 | Zig:26   | Noticed a juggernaut
378065 | Zig:26   | Noticed a juggernaut
378065 | Zig:26   | Noticed a juggernaut
378065 | Zig:26   | Noticed a juggernaut
378065 | Zig:26   | Noticed a juggernaut
378065 | Zig:26   | Noticed a juggernaut
378065 | Zig:26   | Noticed a juggernaut
378065 | Zig:26   | Killed a juggernaut
378066 | Zig:26   | Noticed a juggernaut
378066 | Zig:26   | Noticed a juggernaut
378066 | Zig:26   | Noticed a juggernaut
378066 | Zig:26   | Noticed a juggernaut
378066 | Zig:26   | Noticed a juggernaut
378067 | Zig:26   | Killed a juggernaut
378067 | Zig:26   | Killed a juggernaut
378067 | Zig:26   | Killed a juggernaut
378067 | Zig:26   | Killed a juggernaut
378067 | Zig:26   | Killed a juggernaut
378067 | Zig:26   | Killed a juggernaut
378067 | Zig:26   | Killed a juggernaut
378067 | Zig:26   | Killed a juggernaut
378067 | Zig:26   | Killed a juggernaut
378067 | Zig:26   | Killed a juggernaut
378067 | Zig:26   | Killed a juggernaut
378067 | Zig:26   | Killed a juggernaut
378067 | Zig:26   | Killed a juggernaut
378068 | Zig:26   | Noticed a juggernaut
378068 | Zig:26   | Noticed a juggernaut
378068 | Zig:26   | Killed a juggernaut
378069 | Zig:26   | Killed a juggernaut
378071 | Zig:26   | Killed a juggernaut
378071 | Zig:26   | Killed a juggernaut
378075 | Zig:26   | Identified the +4 chain mail of Chimes {rN+ Int+2 Dex+2}
378082 | Zig:26   | Identified the +2 hand axe of the Blushing Firefly {freeze,
                  | *Rage rN++ Dex+4}
378087 | Zig:27   | Entered Level 27 of a ziggurat
378087 | Zig:27   | Noticed a royal mummy
378087 | Zig:27   | Noticed a royal mummy
378087 | Zig:27   | Noticed a royal mummy
378087 | Zig:27   | Noticed a royal mummy
378087 | Zig:27   | Noticed a royal mummy
378087 | Zig:27   | Noticed a royal mummy
378087 | Zig:27   | Noticed a royal mummy
378087 | Zig:27   | Noticed a royal mummy
378087 | Zig:27   | Noticed a royal mummy
378087 | Zig:27   | Noticed a royal mummy
378087 | Zig:27   | Noticed a royal mummy
378087 | Zig:27   | Noticed a royal mummy
378087 | Zig:27   | Noticed a royal mummy
378087 | Zig:27   | Noticed a royal mummy
378088 | Zig:27   | Killed a royal mummy
378088 | Zig:27   | Killed a royal mummy
378088 | Zig:27   | Killed a royal mummy
378088 | Zig:27   | Killed a royal mummy
378088 | Zig:27   | Killed a royal mummy
378088 | Zig:27   | Killed a royal mummy
378088 | Zig:27   | Killed a royal mummy
378088 | Zig:27   | Killed a royal mummy
378088 | Zig:27   | Killed a royal mummy
378088 | Zig:27   | Killed a royal mummy
378088 | Zig:27   | Killed a royal mummy
378089 | Zig:27   | Noticed a royal mummy
378089 | Zig:27   | Noticed a royal mummy
378089 | Zig:27   | Noticed a royal mummy
378089 | Zig:27   | Noticed a royal mummy
378089 | Zig:27   | Noticed a royal mummy
378090 | Zig:27   | Noticed a royal mummy
378090 | Zig:27   | Noticed a royal mummy
378092 | Zig:27   | Noticed a royal mummy
378092 | Zig:27   | Noticed a royal mummy
378092 | Zig:27   | Noticed a royal mummy
378092 | Zig:27   | Noticed a royal mummy
378093 | Zig:27   | Killed a royal mummy
378093 | Zig:27   | Killed a royal mummy
378093 | Zig:27   | Killed a royal mummy
378093 | Zig:27   | Killed a royal mummy
378093 | Zig:27   | Killed a royal mummy
378093 | Zig:27   | Killed a royal mummy
378093 | Zig:27   | Killed a royal mummy
378093 | Zig:27   | Killed a royal mummy
378093 | Zig:27   | Killed a royal mummy
378093 | Zig:27   | Killed a royal mummy
378093 | Zig:27   | Killed a royal mummy
378094 | Zig:27   | Noticed a royal mummy
378094 | Zig:27   | Noticed a royal mummy
378094 | Zig:27   | Noticed a royal mummy
378094 | Zig:27   | Noticed a royal mummy
378095 | Zig:27   | Noticed a royal mummy
378095 | Zig:27   | Noticed a royal mummy
378095 | Zig:27   | Killed a royal mummy
378096 | Zig:27   | Killed a royal mummy
378096 | Zig:27   | Killed a royal mummy
378096 | Zig:27   | Killed a royal mummy
378096 | Zig:27   | Killed a royal mummy
378096 | Zig:27   | Killed a royal mummy
378096 | Zig:27   | Noticed a royal mummy
378097 | Zig:27   | Noticed a royal mummy
378097 | Zig:27   | Noticed a royal mummy
378097 | Zig:27   | Noticed a royal mummy
378097 | Zig:27   | Noticed a royal mummy
378097 | Zig:27   | Noticed a royal mummy
378097 | Zig:27   | Noticed a royal mummy
378098 | Zig:27   | Noticed a royal mummy
378098 | Zig:27   | Noticed a royal mummy
378098 | Zig:27   | Noticed a royal mummy
378099 | Zig:27   | Killed a royal mummy
378099 | Zig:27   | Killed a royal mummy
378099 | Zig:27   | Killed a royal mummy
378099 | Zig:27   | Killed a royal mummy
378099 | Zig:27   | Killed a royal mummy
378099 | Zig:27   | Killed a royal mummy
378099 | Zig:27   | Killed a royal mummy
378099 | Zig:27   | Killed a royal mummy
378099 | Zig:27   | Noticed a royal mummy
378099 | Zig:27   | Noticed a royal mummy
378100 | Zig:27   | Killed a royal mummy
378100 | Zig:27   | Killed a royal mummy
378100 | Zig:27   | Killed a royal mummy
378100 | Zig:27   | Killed a royal mummy
378100 | Zig:27   | Killed a royal mummy
378100 | Zig:27   | Noticed a royal mummy
378100 | Zig:27   | Noticed a royal mummy
378100 | Zig:27   | Noticed a royal mummy
378101 | Zig:27   | Noticed a royal mummy
378101 | Zig:27   | Noticed a royal mummy
378101 | Zig:27   | Noticed a royal mummy
378102 | Zig:27   | Noticed a royal mummy
378103 | Zig:27   | Killed a royal mummy
378104 | Zig:27   | Noticed a royal mummy
378104 | Zig:27   | Killed a royal mummy
378104 | Zig:27   | Noticed a royal mummy
378105 | Zig:27   | Killed a royal mummy
378105 | Zig:27   | Killed a royal mummy
378105 | Zig:27   | Killed a royal mummy
378105 | Zig:27   | Killed a royal mummy
378105 | Zig:27   | Killed a royal mummy
378105 | Zig:27   | Killed a royal mummy
378105 | Zig:27   | Killed a royal mummy
378105 | Zig:27   | Noticed a royal mummy
378105 | Zig:27   | Noticed a royal mummy
378106 | Zig:27   | Noticed a royal mummy
378107 | Zig:27   | Killed a royal mummy
378107 | Zig:27   | Killed a royal mummy
378107 | Zig:27   | Killed a royal mummy
378107 | Zig:27   | Killed a royal mummy
378107 | Zig:27   | Noticed a royal mummy
378108 | Zig:27   | Killed a royal mummy
378108 | Zig:27   | Noticed a royal mummy
378110 | Zig:27   | Noticed a royal mummy
378111 | Zig:27   | Noticed a royal mummy
378111 | Zig:27   | Noticed a royal mummy
378111 | Zig:27   | Noticed a royal mummy
378112 | Zig:27   | Noticed a royal mummy
378114 | Zig:27   | Noticed a royal mummy
378115 | Zig:27   | Killed a royal mummy
378115 | Zig:27   | Killed a royal mummy
378115 | Zig:27   | Killed a royal mummy
378116 | Zig:27   | Noticed a royal mummy
378116 | Zig:27   | Noticed a royal mummy
378117 | Zig:27   | Killed a royal mummy
378117 | Zig:27   | Killed a royal mummy
378117 | Zig:27   | Killed a royal mummy
378117 | Zig:27   | Killed a royal mummy
378117 | Zig:27   | Killed a royal mummy
378117 | Zig:27   | Killed a royal mummy
378117 | Zig:27   | Noticed a royal mummy
378118 | Zig:27   | Killed a royal mummy
378120 | Zig:27   | Noticed a royal mummy
378120 | Zig:27   | Noticed a royal mummy
378121 | Zig:27   | Killed a royal mummy
378121 | Zig:27   | Killed a royal mummy
378122 | Zig:27   | Killed a royal mummy
378124 | Zig:27   | Noticed a royal mummy
378125 | Zig:27   | Noticed a royal mummy
378126 | Zig:27   | Noticed a royal mummy
378128 | Zig:27   | Killed a royal mummy
378128 | Zig:27   | Killed a royal mummy
378131 | Zig:27   | Killed a royal mummy
378139 | Zig:27   | Identified the staff of Careheav {rPois rC+ Int-3 Fire
                  | Alchemy}
378169 | Zig:27   | Identified the serpent talisman of Nemelex Xobeh {rF- Dex+2
                  | SInv}
378171 | Zig:27   | Identified the staff "Folluwki" {rPois Hexes Fire Alchemy}
378181 | Zig:27   | Identified the +0 robe of Fautid {Dex+2}
378183 | Zig:27   | Identified the +1 flail "Xainiv" {freeze, rElec}
378188 | Zig:27   | Identified the ring "Kudam" {rF- Str+5 Int+4 SInv}
378194 | Zig:27   | Identified the staff "Teiwnen" {^Drain rElec Conj Fire
                  | Earth}
378200 | Zig:27   | Identified the +0 leather armour of the Moon {rC+ rN+
                  | Int-4}
378204 | Zig:27   | Identified the +2 robe of Day {Str+3 Int+3 Dex+2}
378205 | Zig:27   | Identified the staff "Ipnatejepa" {Str+5 Dex+3 Earth}
378255 | Zig:27   | Identified the +3 flail "Meag" {freeze, Dex+3}
378263 | Zig:27   | Identified the +6 spear "Beetle's Bane" {holy, rF+ Dex+2}
378264 | Zig:27   | Identified the staff of Bacoif {rElec Ice Air}
378266 | Zig:27   | Identified the ring "Xorid" {^Drain rCorr Int+3 Dex+3}
378454 | Zig:27   | Identified the +2 long sword of Roirheh {flame, Will++}
378462 | Zig:27   | Identified the +2 hand axe of Wonderful Watchfulness {holy,
                  | Str+2 Dex+2 SInv}
378472 | Zig:27   | Identified the +6 orcbow "Killer Klown's Death" {heavy,
                  | rPois rC+ Str+2}
378473 | Zig:27   | Identified the ring "Jaetexko" {rF++ rC+ Will+}
378855 | Depths:3 | Acquired 903 gold pieces
378856 | Depths:3 | Acquired 612 gold pieces
378857 | Depths:3 | Acquired 666 gold pieces
378858 | Depths:3 | Acquired 877 gold pieces
378915 | Zig:1    | Entered Level 1 of a ziggurat
378915 | Zig:1    | Noticed an orb of fire
378915 | Zig:1    | Noticed an orb of fire
378915 | Zig:1    | Noticed an orb of fire
378915 | Zig:1    | Noticed an orb of fire
378915 | Zig:1    | Noticed an orb of fire
378915 | Zig:1    | Noticed an orb of fire
378915 | Zig:1    | Noticed an orb of fire
378915 | Zig:1    | Noticed an orb of fire
378915 | Zig:1    | Noticed an orb of fire
378915 | Zig:1    | Noticed an orb of fire
378917 | Zig:1    | Killed an orb of fire
378918 | Zig:1    | Killed an orb of fire
378918 | Zig:1    | Killed an orb of fire
378918 | Zig:1    | Noticed an orb of fire
378919 | Zig:1    | Noticed an orb of fire
378921 | Zig:1    | Killed an orb of fire
378921 | Zig:1    | Killed an orb of fire
378921 | Zig:1    | Killed an orb of fire
378923 | Zig:1    | Killed an orb of fire
378923 | Zig:1    | Killed an orb of fire
378923 | Zig:1    | Killed an orb of fire
378925 | Zig:1    | Killed an orb of fire
378925 | Zig:1    | Killed an orb of fire
378925 | Zig:1    | Killed an orb of fire
378939 | Zig:2    | Entered Level 2 of a ziggurat
378939 | Zig:2    | Noticed a dread lich
378939 | Zig:2    | Noticed a dread lich
378939 | Zig:2    | Noticed a dread lich
378939 | Zig:2    | Noticed a dread lich
378939 | Zig:2    | Noticed an ancient lich
378939 | Zig:2    | Noticed a dread lich
378939 | Zig:2    | Noticed an ancient lich
378939 | Zig:2    | Noticed an ancient lich
378939 | Zig:2    | Noticed an ancient lich
378939 | Zig:2    | Noticed a dread lich
378940 | Zig:2    | Killed a dread lich
378940 | Zig:2    | Killed a dread lich
378940 | Zig:2    | Killed an ancient lich
378940 | Zig:2    | Killed an ancient lich
378941 | Zig:2    | Noticed a dread lich
378941 | Zig:2    | Noticed a dread lich
378942 | Zig:2    | Noticed a dread lich
378942 | Zig:2    | Noticed a dread lich
378943 | Zig:2    | Noticed an ancient lich
378943 | Zig:2    | Noticed an ancient lich
378943 | Zig:2    | Noticed an ancient lich
378944 | Zig:2    | Killed an ancient lich
378944 | Zig:2    | Killed an ancient lich
378944 | Zig:2    | Killed a dread lich
378944 | Zig:2    | Killed an ancient lich
378944 | Zig:2    | Killed a dread lich
378944 | Zig:2    | Killed a dread lich
378944 | Zig:2    | Killed a dread lich
378944 | Zig:2    | Killed an ancient lich
378944 | Zig:2    | Killed an ancient lich
378947 | Zig:2    | Killed a dread lich
378947 | Zig:2    | Killed a dread lich
378947 | Zig:2    | Killed a dread lich
378947 | Zig:2    | Killed a dread lich
378958 | Zig:3    | Entered Level 3 of a ziggurat
378962 | Zig:3    | Noticed Xaumaed the pandemonium lord
378970 | Zig:3    | Killed Xaumaed the pandemonium lord
379104 | Zig:4    | Entered Level 4 of a ziggurat
379104 | Zig:4    | Noticed a royal mummy
379104 | Zig:4    | Noticed a royal mummy
379104 | Zig:4    | Noticed a royal mummy
379105 | Zig:4    | Killed a royal mummy
379105 | Zig:4    | Killed a royal mummy
379116 | Zig:4    | Killed a royal mummy
379242 | Zig:5    | Entered Level 5 of a ziggurat
379242 | Zig:5    | Noticed Palypash the pandemonium lord
379242 | Zig:5    | Noticed Uxicud the pandemonium lord
379242 | Zig:5    | Noticed Epnuofu the pandemonium lord
379242 | Zig:5    | Noticed Fuon the pandemonium lord
379242 | Zig:5    | Noticed Tiuwagh the pandemonium lord
379242 | Zig:5    | Noticed Qajotif the pandemonium lord
379242 | Zig:5    | Noticed Ytyamn the pandemonium lord
379242 | Zig:5    | Noticed Ziehiaf the pandemonium lord
379242 | Zig:5    | Noticed Rullas the pandemonium lord
379242 | Zig:5    | Noticed Tosirph the pandemonium lord
379242 | Zig:5    | Noticed Dipal the pandemonium lord
379245 | Zig:5    | Killed Fuon the pandemonium lord
379245 | Zig:5    | Killed Tiuwagh the pandemonium lord
379245 | Zig:5    | Killed Rullas the pandemonium lord
379245 | Zig:5    | Killed Ziehiaf the pandemonium lord
379245 | Zig:5    | Killed Tosirph the pandemonium lord
379246 | Zig:5    | Noticed Geffafru the pandemonium lord
379246 | Zig:5    | Noticed Osaranwi the pandemonium lord
379247 | Zig:5    | Noticed Golus the pandemonium lord
379247 | Zig:5    | Noticed Feisough the pandemonium lord
379248 | Zig:5    | Noticed Husm the pandemonium lord
379248 | Zig:5    | Noticed Nemisequ the pandemonium lord
379248 | Zig:5    | Killed Osaranwi the pandemonium lord
379248 | Zig:5    | Killed Palypash the pandemonium lord
379249 | Zig:5    | Noticed Isuukhla the pandemonium lord
379250 | Zig:5    | Noticed Ruet the pandemonium lord
379250 | Zig:5    | Noticed Jaixt the pandemonium lord
379250 | Zig:5    | Killed Qajotif the pandemonium lord
379251 | Zig:5    | Killed Geffafru the pandemonium lord
379254 | Zig:5    | Killed Uxicud the pandemonium lord
379264 | Zig:6    | Entered Level 6 of a ziggurat
379264 | Zig:6    | Noticed a juggernaut
379264 | Zig:6    | Noticed a juggernaut
379264 | Zig:6    | Noticed a juggernaut
379265 | Zig:6    | Killed a juggernaut
379265 | Zig:6    | Killed a juggernaut
379266 | Zig:6    | Noticed a juggernaut
379266 | Zig:6    | Noticed a juggernaut
379266 | Zig:6    | Noticed a juggernaut
379267 | Zig:6    | Noticed a juggernaut
379272 | Zig:6    | Killed a juggernaut
379278 | Zig:6    | Killed a juggernaut
379284 | Zig:7    | Entered Level 7 of a ziggurat
379307 | Zig:8    | Entered Level 8 of a ziggurat
379327 | Zig:9    | Entered Level 9 of a ziggurat
379347 | Zig:9    | Identified the +1 pair of boots of Altruism {rC+ Regen+}
379661 | Zig:10   | Entered Level 10 of a ziggurat
379661 | Zig:10   | Noticed a dread lich
379661 | Zig:10   | Noticed an ancient lich
379661 | Zig:10   | Noticed an ancient lich
379661 | Zig:10   | Noticed an ancient lich
379661 | Zig:10   | Noticed a dread lich
379661 | Zig:10   | Noticed a dread lich
379661 | Zig:10   | Noticed a dread lich
379661 | Zig:10   | Noticed an ancient lich
379661 | Zig:10   | Noticed an ancient lich
379661 | Zig:10   | Noticed a dread lich
379661 | Zig:10   | Noticed an ancient lich
379661 | Zig:10   | Noticed an ancient lich
379661 | Zig:10   | Noticed a dread lich
379661 | Zig:10   | Noticed a dread lich
379661 | Zig:10   | Noticed an ancient lich
379661 | Zig:10   | Noticed an ancient lich
379661 | Zig:10   | Noticed a dread lich
379661 | Zig:10   | Noticed an ancient lich
379661 | Zig:10   | Noticed an ancient lich
379661 | Zig:10   | Noticed an ancient lich
379661 | Zig:10   | Noticed an ancient lich
379661 | Zig:10   | Noticed an ancient lich
379661 | Zig:10   | Noticed an ancient lich
379661 | Zig:10   | Noticed an ancient lich
379662 | Zig:10   | Killed an ancient lich
379662 | Zig:10   | Killed an ancient lich
379662 | Zig:10   | Killed an ancient lich
379662 | Zig:10   | Killed a dread lich
379662 | Zig:10   | Killed a dread lich
379662 | Zig:10   | Killed an ancient lich
379662 | Zig:10   | Killed an ancient lich
379662 | Zig:10   | Killed a dread lich
379662 | Zig:10   | Killed an ancient lich
379662 | Zig:10   | Killed an ancient lich
379662 | Zig:10   | Killed a dread lich
379662 | Zig:10   | Killed an ancient lich
379663 | Zig:10   | Noticed an ancient lich
379663 | Zig:10   | Noticed a dread lich
379663 | Zig:10   | Noticed an ancient lich
379663 | Zig:10   | Noticed a dread lich
379664 | Zig:10   | Noticed an ancient lich
379664 | Zig:10   | Killed a dread lich
379664 | Zig:10   | Killed an ancient lich
379664 | Zig:10   | Killed an ancient lich
379665 | Zig:10   | Noticed an ancient lich
379665 | Zig:10   | Noticed a dread lich
379665 | Zig:10   | Noticed a dread lich
379665 | Zig:10   | Noticed a dread lich
379665 | Zig:10   | Noticed an ancient lich
379666 | Zig:10   | Killed a dread lich
379666 | Zig:10   | Killed an ancient lich
379666 | Zig:10   | Killed an ancient lich
379666 | Zig:10   | Killed an ancient lich
379666 | Zig:10   | Killed an ancient lich
379666 | Zig:10   | Killed a dread lich
379666 | Zig:10   | Killed an ancient lich
379666 | Zig:10   | Killed an ancient lich
379666 | Zig:10   | Killed an ancient lich
379666 | Zig:10   | Killed an ancient lich
379666 | Zig:10   | Killed a dread lich
379666 | Zig:10   | Killed a dread lich
379666 | Zig:10   | Killed an ancient lich
379666 | Zig:10   | Noticed a dread lich
379667 | Zig:10   | Noticed a dread lich
379667 | Zig:10   | Noticed an ancient lich
379667 | Zig:10   | Noticed an ancient lich
379668 | Zig:10   | Noticed an ancient lich
379668 | Zig:10   | Noticed a dread lich
379669 | Zig:10   | Killed a dread lich
379669 | Zig:10   | Killed an ancient lich
379669 | Zig:10   | Killed a dread lich
379669 | Zig:10   | Killed a dread lich
379669 | Zig:10   | Killed an ancient lich
379669 | Zig:10   | Killed a dread lich
379671 | Zig:10   | Noticed an ancient lich
379671 | Zig:10   | Noticed an ancient lich
379672 | Zig:10   | Noticed a dread lich
379672 | Zig:10   | Killed a dread lich
379672 | Zig:10   | Killed an ancient lich
379672 | Zig:10   | Killed an ancient lich
379672 | Zig:10   | Killed an ancient lich
379672 | Zig:10   | Killed a dread lich
379672 | Zig:10   | Killed a dread lich
379672 | Zig:10   | Killed an ancient lich
379672 | Zig:10   | Killed a dread lich
379673 | Zig:10   | Noticed an ancient lich
379673 | Zig:10   | Noticed a dread lich
379674 | Zig:10   | Killed an ancient lich
379676 | Zig:10   | Killed a dread lich
379676 | Zig:10   | Killed an ancient lich
379680 | Zig:10   | Identified the +3 sling "Ytacs" {flame, Int+3 Stlth+}
379690 | Zig:11   | Entered Level 11 of a ziggurat
379712 | Zig:11   | Identified the ring of Entrepreneurial Spirit {Str+6 Int+5
                  | Dex+4}
379722 | Zig:11   | Identified the +2 mace "Ofathrule" {spect, rElec rPois}
379735 | Zig:11   | Identified the +8 glaive of Unreason {flame, *Rage rN+
                  | Int+5 Dex+2}
379739 | Zig:11   | Identified the +9 longbow "Pysoch" {freeze, rElec}
379912 | Zig:11   | Identified the +3 scale mail "Ekhlag Uttic" {Str+5 Int+2}
379919 | Zig:11   | Identified the +7 mace of Extremism {flame, rF+++ Will+
                  | Int+4 Dex-5}
379981 | Zig:12   | Entered Level 12 of a ziggurat
379981 | Zig:12   | Noticed a dread lich
379981 | Zig:12   | Noticed an ancient lich
379981 | Zig:12   | Noticed an ancient lich
379981 | Zig:12   | Noticed a dread lich
379981 | Zig:12   | Noticed an ancient lich
379981 | Zig:12   | Noticed a dread lich
379981 | Zig:12   | Noticed a dread lich
379981 | Zig:12   | Noticed an ancient lich
379981 | Zig:12   | Noticed a dread lich
379981 | Zig:12   | Noticed a dread lich
379981 | Zig:12   | Noticed an ancient lich
379981 | Zig:12   | Noticed an ancient lich
379981 | Zig:12   | Noticed a dread lich
379981 | Zig:12   | Noticed an ancient lich
379981 | Zig:12   | Noticed an ancient lich
379981 | Zig:12   | Noticed a dread lich
379981 | Zig:12   | Noticed a dread lich
379981 | Zig:12   | Noticed an ancient lich
379981 | Zig:12   | Noticed an ancient lich
379981 | Zig:12   | Noticed a dread lich
379981 | Zig:12   | Noticed an ancient lich
379981 | Zig:12   | Noticed a dread lich
379982 | Zig:12   | Killed a dread lich
379982 | Zig:12   | Killed an ancient lich
379982 | Zig:12   | Killed a dread lich
379982 | Zig:12   | Killed a dread lich
379982 | Zig:12   | Killed a dread lich
379982 | Zig:12   | Killed an ancient lich
379982 | Zig:12   | Killed an ancient lich
379982 | Zig:12   | Killed a dread lich
379982 | Zig:12   | Killed an ancient lich
379982 | Zig:12   | Killed an ancient lich
379982 | Zig:12   | Killed a dread lich
379983 | Zig:12   | Noticed an ancient lich
379983 | Zig:12   | Noticed an ancient lich
379983 | Zig:12   | Noticed a dread lich
379983 | Zig:12   | Noticed an ancient lich
379983 | Zig:12   | Noticed a dread lich
379983 | Zig:12   | Noticed an ancient lich
379983 | Zig:12   | Noticed an ancient lich
379983 | Zig:12   | Noticed a dread lich
379984 | Zig:12   | Noticed an ancient lich
379984 | Zig:12   | Noticed a dread lich
379984 | Zig:12   | Noticed an ancient lich
379984 | Zig:12   | Noticed an ancient lich
379985 | Zig:12   | Noticed a dread lich
379985 | Zig:12   | Noticed an ancient lich
379986 | Zig:12   | Killed an ancient lich
379986 | Zig:12   | Killed an ancient lich
379986 | Zig:12   | Killed an ancient lich
379986 | Zig:12   | Killed a dread lich
379986 | Zig:12   | Killed an ancient lich
379986 | Zig:12   | Killed a dread lich
379986 | Zig:12   | Killed an ancient lich
379986 | Zig:12   | Killed an ancient lich
379986 | Zig:12   | Killed a dread lich
379986 | Zig:12   | Killed a dread lich
379986 | Zig:12   | Killed a dread lich
379986 | Zig:12   | Killed an ancient lich
379986 | Zig:12   | Killed an ancient lich
379986 | Zig:12   | Killed an ancient lich
379986 | Zig:12   | Killed a dread lich
379986 | Zig:12   | Killed a dread lich
379986 | Zig:12   | Killed an ancient lich
379986 | Zig:12   | Killed an ancient lich
379986 | Zig:12   | Killed an ancient lich
379986 | Zig:12   | Killed an ancient lich
379986 | Zig:12   | Killed a dread lich
379987 | Zig:12   | Noticed a dread lich
379987 | Zig:12   | Noticed a dread lich
379987 | Zig:12   | Noticed an ancient lich
379987 | Zig:12   | Killed a dread lich
379987 | Zig:12   | Noticed a dread lich
379988 | Zig:12   | Noticed an ancient lich
379988 | Zig:12   | Noticed an ancient lich
379989 | Zig:12   | Killed an ancient lich
379989 | Zig:12   | Killed a dread lich
379989 | Zig:12   | Killed an ancient lich
379989 | Zig:12   | Killed a dread lich
379989 | Zig:12   | Killed a dread lich
379990 | Zig:12   | Noticed a dread lich
379990 | Zig:12   | Noticed a dread lich
379991 | Zig:12   | Noticed an ancient lich
379992 | Zig:12   | Killed an ancient lich
379992 | Zig:12   | Killed an ancient lich
379992 | Zig:12   | Killed an ancient lich
379992 | Zig:12   | Noticed a dread lich
379992 | Zig:12   | Noticed an ancient lich
379994 | Zig:12   | Noticed an ancient lich
379995 | Zig:12   | Killed a dread lich
379995 | Zig:12   | Killed a dread lich
379995 | Zig:12   | Killed a dread lich
379995 | Zig:12   | Killed an ancient lich
379995 | Zig:12   | Killed a dread lich
379995 | Zig:12   | Killed an ancient lich
379998 | Zig:12   | Killed an ancient lich
380004 | Zig:12   | Identified the ring of Syedd {Fly rElec MP+9 SInv}
380006 | Zig:12   | Identified the +7 mace of Poverty {venom, Fly rC++ rN+
                  | Int-3}
380009 | Zig:12   | Identified the +3 buckler of Liberalism {rCorr Int+3}
380012 | Zig:13   | Entered Level 13 of a ziggurat
380019 | Zig:13   | Noticed a dread lich
380023 | Zig:13   | Killed a dread lich
380065 | Zig:13   | Identified the +2 leather armour of Judau {rN++ Str-4}
380075 | Zig:13   | Identified the +0 chain mail of Spaghetti {rC+ Str+4}
380089 | Zig:13   | Identified the ring of Morality {Fire ^Contam rElec Dex+2}
380110 | Zig:13   | Identified the +0 leather armour of Sapp {Str+4}
380149 | Zig:13   | Identified the ring "Vull" {rC++ AC+4 Int-5 Dex+3}
380159 | Zig:13   | Identified the +6 broad axe "Zumi" {heavy, Will- Str+5}
380376 | Zig:14   | Entered Level 14 of a ziggurat
380376 | Zig:14   | Noticed a royal mummy
380376 | Zig:14   | Noticed a royal mummy
380376 | Zig:14   | Noticed a royal mummy
380376 | Zig:14   | Noticed a royal mummy
380376 | Zig:14   | Noticed a royal mummy
380376 | Zig:14   | Noticed a royal mummy
380376 | Zig:14   | Noticed a royal mummy
380376 | Zig:14   | Noticed a royal mummy
380376 | Zig:14   | Noticed a royal mummy
380376 | Zig:14   | Noticed a royal mummy
380376 | Zig:14   | Noticed a royal mummy
380376 | Zig:14   | Noticed a royal mummy
380376 | Zig:14   | Noticed a royal mummy
380376 | Zig:14   | Noticed a royal mummy
380377 | Zig:14   | Killed a royal mummy
380377 | Zig:14   | Killed a royal mummy
380377 | Zig:14   | Killed a royal mummy
380377 | Zig:14   | Killed a royal mummy
380377 | Zig:14   | Killed a royal mummy
380377 | Zig:14   | Killed a royal mummy
380377 | Zig:14   | Killed a royal mummy
380377 | Zig:14   | Killed a royal mummy
380377 | Zig:14   | Killed a royal mummy
380378 | Zig:14   | Noticed a royal mummy
380378 | Zig:14   | Noticed a royal mummy
380379 | Zig:14   | Noticed a royal mummy
380380 | Zig:14   | Noticed a royal mummy
380381 | Zig:14   | Killed a royal mummy
380381 | Zig:14   | Killed a royal mummy
380381 | Zig:14   | Killed a royal mummy
380381 | Zig:14   | Killed a royal mummy
380381 | Zig:14   | Killed a royal mummy
380381 | Zig:14   | Killed a royal mummy
380381 | Zig:14   | Killed a royal mummy
380381 | Zig:14   | Killed a royal mummy
380381 | Zig:14   | Noticed a royal mummy
380381 | Zig:14   | Noticed a royal mummy
380382 | Zig:14   | Noticed a royal mummy
380382 | Zig:14   | Noticed a royal mummy
380382 | Zig:14   | Noticed a royal mummy
380384 | Zig:14   | Killed a royal mummy
380384 | Zig:14   | Killed a royal mummy
380384 | Zig:14   | Killed a royal mummy
380386 | Zig:14   | Killed a royal mummy
380386 | Zig:14   | Killed a royal mummy
380386 | Zig:14   | Killed a royal mummy
380386 | Zig:14   | Noticed a royal mummy
380386 | Zig:14   | Noticed a royal mummy
380388 | Zig:14   | Noticed a royal mummy
380389 | Zig:14   | Killed a royal mummy
380390 | Zig:14   | Killed a royal mummy
380392 | Zig:14   | Killed a royal mummy
380392 | Zig:14   | Noticed a royal mummy
380395 | Zig:14   | Killed a royal mummy
380635 | Zig:14   | Identified the +4 orcbow of Noon {speed, SInv}
380655 | Zig:14   | Identified the ring "Furosch" {Fire Str+3 Int+3 Dex-3 SInv}
380657 | Zig:14   | Identified the amulet "Muimiaxa" {RegenMP Int+3}
380668 | Zig:14   | Identified the ring "Qiamat" {rC+ Will++ Int+2}
380680 | Zig:14   | Identified the staff "Nonosy" {Will+ Stlth+ Earth}
380689 | Zig:14   | Identified the +3 orcbow "Epoghecig" {flame, Dex+7}
380702 | Zig:14   | Identified the staff of Qabb {rPois SInv Hexes Earth
                  | Alchemy}
380710 | Zig:14   | Identified the +0 plate armour of Reasonable Fun {Int+4
                  | SInv}
380731 | Zig:14   | Identified the +1 robe of the Kettle-Drum {rPois Str-5
                  | Dex+4}
380776 | Zig:15   | Entered Level 15 of a ziggurat
380830 | Zig:15   | Identified the +7 dagger "Moheacud" {protect, ^Contam rElec
                  | rF+ Stlth+}
380831 | Zig:15   | Identified the ring "Fovoid" {rElec rF+ rCorr}
380834 | Zig:15   | Identified the +6 scimitar "Bingo" {venom, ^Fragile Dex+5
                  | SInv}
380835 | Zig:15   | Identified the +5 long sword of the Spinneret {speed, rF+
                  | rN+}
380838 | Zig:15   | Identified the +0 scale mail of Resus {rF+}
380839 | Zig:15   | Identified the ring "Roubb" {+Blink rC+ Str-2 Dex+3 Stlth+}
380842 | Zig:15   | Identified the +2 scimitar of Wyrd {chaos, rCorr}
380843 | Zig:15   | Identified the +4 ring mail "Acuozaho" {Harm rElec Slay-6
                  | Stlth+}
380849 | Zig:15   | Identified the +8 war axe of the Spider {freeze, *Rage
                  | Str+2 Int+2 Dex+5}
381143 | Zig:16   | Entered Level 16 of a ziggurat
381166 | Zig:16   | Noticed Ibryatas the pandemonium lord
381181 | Zig:16   | Killed Ibryatas the pandemonium lord
381189 | Zig:16   | Identified the +3 helmet "Ethudghio" {rPois rN+ Str+3}
381379 | Zig:16   | Identified the +9 falchion of Ferocious Exoneration
                  | {antimagic, rF+}
381398 | Zig:16   | Identified the +4 arbalest "Newt's Death Toll" {freeze,
                  | rPois rF++ Int-4 Dex-2}
381408 | Zig:16   | Identified the +8 long sword "Eleolaov" {spect, rN+ rCorr
                  | Int-4}
381514 | Zig:16   | Identified the +2 scimitar "Hydraslayer" {heavy, rElec}
381524 | Zig:16   | Identified the +1 executioner's axe of Sudden Death {heavy,
                  | *Slow rF+ Int+6}
381541 | Zig:16   | Identified the +0 plate armour "Teulymia" {Dex+3}
381556 | Zig:16   | Identified the staff of Cuanupen {rF+ rC+ rCorr MP-9 Dex+4
                  | Fire}
381559 | Zig:16   | Identified the +5 dagger "Huc Gipt" {heavy, rF+ rC+ rN++}
381595 | Zig:17   | Entered Level 17 of a ziggurat
381633 | Zig:18   | Entered Level 18 of a ziggurat
381633 | Zig:18   | Noticed an ancient lich
381633 | Zig:18   | Noticed a dread lich
381633 | Zig:18   | Noticed an ancient lich
381633 | Zig:18   | Noticed a dread lich
381633 | Zig:18   | Noticed an ancient lich
381633 | Zig:18   | Noticed a dread lich
381633 | Zig:18   | Noticed a dread lich
381633 | Zig:18   | Noticed a dread lich
381633 | Zig:18   | Noticed a dread lich
381633 | Zig:18   | Noticed an ancient lich
381633 | Zig:18   | Noticed an ancient lich
381633 | Zig:18   | Noticed an ancient lich
381633 | Zig:18   | Noticed a dread lich
381633 | Zig:18   | Noticed a dread lich
381633 | Zig:18   | Noticed an ancient lich
381633 | Zig:18   | Noticed an ancient lich
381633 | Zig:18   | Noticed a dread lich
381633 | Zig:18   | Noticed an ancient lich
381633 | Zig:18   | Noticed a dread lich
381633 | Zig:18   | Noticed a dread lich
381633 | Zig:18   | Noticed an ancient lich
381633 | Zig:18   | Noticed an ancient lich
381633 | Zig:18   | Noticed an ancient lich
381633 | Zig:18   | Noticed a dread lich
381634 | Zig:18   | Killed a dread lich
381634 | Zig:18   | Killed an ancient lich
381634 | Zig:18   | Killed a dread lich
381634 | Zig:18   | Killed an ancient lich
381634 | Zig:18   | Killed a dread lich
381634 | Zig:18   | Killed a dread lich
381634 | Zig:18   | Killed an ancient lich
381634 | Zig:18   | Killed a dread lich
381634 | Zig:18   | Killed a dread lich
381634 | Zig:18   | Killed an ancient lich
381634 | Zig:18   | Killed an ancient lich
381635 | Zig:18   | Noticed a dread lich
381635 | Zig:18   | Noticed an ancient lich
381635 | Zig:18   | Noticed an ancient lich
381635 | Zig:18   | Noticed an ancient lich
381635 | Zig:18   | Noticed an ancient lich
381635 | Zig:18   | Noticed an ancient lich
381635 | Zig:18   | Noticed a dread lich
381635 | Zig:18   | Noticed an ancient lich
381636 | Zig:18   | Noticed an ancient lich
381636 | Zig:18   | Noticed a dread lich
381636 | Zig:18   | Noticed an ancient lich
381636 | Zig:18   | Noticed an ancient lich
381637 | Zig:18   | Killed an ancient lich
381637 | Zig:18   | Killed an ancient lich
381637 | Zig:18   | Killed an ancient lich
381637 | Zig:18   | Killed a dread lich
381637 | Zig:18   | Killed an ancient lich
381637 | Zig:18   | Killed a dread lich
381637 | Zig:18   | Killed an ancient lich
381637 | Zig:18   | Killed an ancient lich
381637 | Zig:18   | Killed an ancient lich
381637 | Zig:18   | Killed an ancient lich
381637 | Zig:18   | Killed a dread lich
381637 | Zig:18   | Killed an ancient lich
381637 | Zig:18   | Killed a dread lich
381637 | Zig:18   | Killed a dread lich
381637 | Zig:18   | Killed a dread lich
381637 | Zig:18   | Killed an ancient lich
381637 | Zig:18   | Killed an ancient lich
381637 | Zig:18   | Killed a dread lich
381637 | Zig:18   | Killed a dread lich
381637 | Zig:18   | Killed a dread lich
381637 | Zig:18   | Killed an ancient lich
381637 | Zig:18   | Noticed a dread lich
381637 | Zig:18   | Noticed an ancient lich
381638 | Zig:18   | Noticed a dread lich
381638 | Zig:18   | Noticed a dread lich
381638 | Zig:18   | Noticed a dread lich
381638 | Zig:18   | Noticed a dread lich
381638 | Zig:18   | Noticed a dread lich
381638 | Zig:18   | Noticed an ancient lich
381638 | Zig:18   | Noticed an ancient lich
381639 | Zig:18   | Noticed a dread lich
381639 | Zig:18   | Noticed a dread lich
381639 | Zig:18   | Noticed an ancient lich
381639 | Zig:18   | Noticed an ancient lich
381639 | Zig:18   | Noticed a dread lich
381639 | Zig:18   | Noticed a dread lich
381640 | Zig:18   | Noticed an ancient lich
381640 | Zig:18   | Noticed a dread lich
381640 | Zig:18   | Noticed an ancient lich
381641 | Zig:18   | Noticed an ancient lich
381641 | Zig:18   | Killed an ancient lich
381641 | Zig:18   | Killed an ancient lich
381641 | Zig:18   | Killed an ancient lich
381641 | Zig:18   | Killed an ancient lich
381641 | Zig:18   | Killed a dread lich
381641 | Zig:18   | Killed a dread lich
381641 | Zig:18   | Killed a dread lich
381641 | Zig:18   | Killed a dread lich
381641 | Zig:18   | Killed a dread lich
381641 | Zig:18   | Noticed an ancient lich
381642 | Zig:18   | Noticed a dread lich
381642 | Zig:18   | Noticed a dread lich
381643 | Zig:18   | Noticed a dread lich
381643 | Zig:18   | Noticed a dread lich
381643 | Zig:18   | Noticed a dread lich
381643 | Zig:18   | Noticed a dread lich
381643 | Zig:18   | Noticed an ancient lich
381643 | Zig:18   | Noticed a dread lich
381643 | Zig:18   | Noticed a dread lich
381643 | Zig:18   | Noticed a dread lich
381643 | Zig:18   | Noticed a dread lich
381644 | Zig:18   | Noticed a dread lich
381644 | Zig:18   | Killed a dread lich
381644 | Zig:18   | Killed an ancient lich
381644 | Zig:18   | Killed a dread lich
381644 | Zig:18   | Killed a dread lich
381644 | Zig:18   | Killed an ancient lich
381644 | Zig:18   | Killed a dread lich
381644 | Zig:18   | Killed a dread lich
381644 | Zig:18   | Killed a dread lich
381644 | Zig:18   | Killed an ancient lich
381644 | Zig:18   | Killed a dread lich
381644 | Zig:18   | Killed an ancient lich
381644 | Zig:18   | Killed an ancient lich
381645 | Zig:18   | Killed a dread lich
381646 | Zig:18   | Noticed an ancient lich
381646 | Zig:18   | Noticed a dread lich
381646 | Zig:18   | Noticed an ancient lich
381647 | Zig:18   | Killed an ancient lich
381647 | Zig:18   | Killed an ancient lich
381647 | Zig:18   | Killed an ancient lich
381647 | Zig:18   | Killed an ancient lich
381647 | Zig:18   | Killed a dread lich
381647 | Zig:18   | Killed an ancient lich
381647 | Zig:18   | Killed a dread lich
381647 | Zig:18   | Killed a dread lich
381647 | Zig:18   | Killed a dread lich
381647 | Zig:18   | Killed a dread lich
381647 | Zig:18   | Killed a dread lich
381647 | Zig:18   | Killed a dread lich
381648 | Zig:18   | Noticed a dread lich
381648 | Zig:18   | Noticed an ancient lich
381648 | Zig:18   | Noticed an ancient lich
381649 | Zig:18   | Noticed an ancient lich
381649 | Zig:18   | Noticed a dread lich
381650 | Zig:18   | Killed a dread lich
381650 | Zig:18   | Killed a dread lich
381650 | Zig:18   | Killed a dread lich
381650 | Zig:18   | Killed an ancient lich
381650 | Zig:18   | Killed an ancient lich
381650 | Zig:18   | Killed an ancient lich
381651 | Zig:18   | Noticed an ancient lich
381651 | Zig:18   | Noticed an ancient lich
381653 | Zig:18   | Killed a dread lich
381653 | Zig:18   | Killed a dread lich
381653 | Zig:18   | Killed an ancient lich
381653 | Zig:18   | Killed an ancient lich
381656 | Zig:18   | Killed an ancient lich
381656 | Zig:18   | Killed an ancient lich
381924 | Zig:18   | Identified the ring "Damyvia" {Ice rPois rN++ Will+ Dex-2}
381937 | Zig:18   | Identified the +4 trident of the Evil Eye {flame, Str+5}
382097 | Zig:19   | Entered Level 19 of a ziggurat
382129 | Zig:19   | Identified the +0 pair of gloves "Wouqiehi" {+Inv Regen+}
382132 | Zig:20   | Entered Level 20 of a ziggurat
382547 | Zig:20   | Identified the +6 orcbow of Integrity {speed, Dex+3}
382563 | Zig:20   | Identified the +1 quarterstaff "Puwet" {drain, rF+}
382599 | Zig:20   | Identified the +1 leather armour "Siup Git" {Str+5 Slay+3}
382629 | Zig:20   | Identified the amulet "Teqimyam" {Faith ^Drain rF+++ Dex+2
                  | Slay+3}
382640 | Zig:20   | Identified the amulet "Xirriavi" {Acrobat rC+ Str+3 Int-3
                  | Dex+3}
382644 | Zig:20   | Identified the +3 quarterstaff of Noon {speed, Int+5}
382646 | Zig:20   | Identified the staff of the Dwarven Hall {rC++ Dex+3 Air
                  | Earth}
382664 | Zig:20   | Identified the +1 plate armour of Objectivity {-Tele rPois
                  | Will+++ rCorr}
382669 | Zig:20   | Identified the ring of the Sun {EV+5 SInv}
382673 | Zig:20   | Identified the +8 war axe "Botzet" {venom, rElec rF+}
382681 | Zig:20   | Identified the +1 flail "Ycevam" {vamp, rPois rC- Will+}
382684 | Zig:20   | Identified the amulet "Kuawn" {Reflect Rampage rF+ rN+
                  | Dex+3 SH+5 SInv}
382696 | Zig:20   | Identified the +2 leather armour of Supple Strength {Dex+4
                  | Stlth+}
382752 | Zig:21   | Entered Level 21 of a ziggurat
382752 | Zig:21   | Noticed an ancient lich
382752 | Zig:21   | Noticed an ancient lich
382752 | Zig:21   | Noticed an ancient lich
382752 | Zig:21   | Noticed an ancient lich
382752 | Zig:21   | Noticed an ancient lich
382752 | Zig:21   | Noticed an ancient lich
382753 | Zig:21   | Killed an ancient lich
382753 | Zig:21   | Killed an ancient lich
382754 | Zig:21   | Noticed an ancient lich
382757 | Zig:21   | Noticed an ancient lich
382757 | Zig:21   | Noticed an ancient lich
382759 | Zig:21   | Killed an ancient lich
382759 | Zig:21   | Killed an ancient lich
382759 | Zig:21   | Killed an ancient lich
382760 | Zig:21   | Noticed an ancient lich
382760 | Zig:21   | Noticed an ancient lich
382760 | Zig:21   | Noticed an ancient lich
382761 | Zig:21   | Noticed an ancient lich
382761 | Zig:21   | Noticed an ancient lich
382762 | Zig:21   | Killed an ancient lich
382762 | Zig:21   | Killed an ancient lich
382762 | Zig:21   | Killed an ancient lich
382762 | Zig:21   | Killed an ancient lich
382764 | Zig:21   | Noticed an ancient lich
382764 | Zig:21   | Killed an ancient lich
382765 | Zig:21   | Noticed an ancient lich
382765 | Zig:21   | Noticed an ancient lich
382766 | Zig:21   | Killed an ancient lich
382766 | Zig:21   | Killed an ancient lich
382766 | Zig:21   | Killed an ancient lich
382767 | Zig:21   | Noticed an ancient lich
382769 | Zig:21   | Killed an ancient lich
382769 | Zig:21   | Killed an ancient lich
382769 | Zig:21   | Noticed an ancient lich
382771 | Zig:21   | Noticed an ancient lich
382773 | Zig:21   | Killed an ancient lich
382773 | Zig:21   | Killed an ancient lich
382773 | Zig:21   | Killed an ancient lich
382773 | Zig:21   | Killed an ancient lich
382777 | Zig:21   | Killed an ancient lich
382787 | Zig:21   | Identified the +2 barding of the Sky {rElec rPois rF+
                  | Regen+}
382845 | Zig:21   | Identified the ring "Jiloum" {rPois rF- rC+++ AC+4 Int+4}
382853 | Zig:21   | Identified the staff of the Bequeathed God {rElec rCorr
                  | Int-5 Stlth+ Air}
382854 | Zig:21   | Identified the staff "Eliri" {Fly rN++ Int-5 Conj Hexes}
382861 | Zig:21   | Identified the +5 short sword of Honour {flame, +Blink}
382867 | Zig:21   | Identified the staff "Keennurph" {rElec rF+ rN+ Air}
382870 | Zig:21   | Identified the +2 long sword "Agilec" {protect, Dex+2}
382906 | Zig:21   | Identified the +1 plate armour of Tartarus {rPois}
382919 | Zig:21   | Identified the +1 flail of Chagrin {freeze, +Blink rPois
                  | rF+}
382993 | Zig:21   | Identified the +2 mace of Muxtyog {freeze, Str+4 Int+2
                  | Dex+5 Stlth-}
382995 | Zig:21   | Identified the ring "Pethrutigg" {Fly rElec rN+ rCorr
                  | Dex-3}
383436 | Zig:22   | Entered Level 22 of a ziggurat
383436 | Zig:22   | Noticed a seraph
383436 | Zig:22   | Noticed a seraph
383436 | Zig:22   | Noticed a seraph
383436 | Zig:22   | Identified the +0 tower shield of Too Many Cooks {rN+ Will+
                  | Int+3}
383436 | Zig:22   | Noticed a seraph
383436 | Zig:22   | Noticed a seraph
383436 | Zig:22   | Noticed a seraph
383438 | Zig:22   | Noticed a seraph
383440 | Zig:22   | Killed a seraph
383440 | Zig:22   | Killed a seraph
383441 | Zig:22   | Noticed a seraph
383442 | Zig:22   | Identified the +1 buckler of Impermeability {Regen+ Str+2
                  | Slay+2}
383442 | Zig:22   | Killed a seraph
383442 | Zig:22   | Killed a seraph
383442 | Zig:22   | Noticed a seraph
383442 | Zig:22   | Noticed a seraph
383442 | Zig:22   | Noticed a seraph
383443 | Zig:22   | Identified the +5 tower shield of Responsibility {rN++
                  | Str+2 Dex-3}
383443 | Zig:22   | Killed a seraph
383443 | Zig:22   | Killed a seraph
383444 | Zig:22   | Killed a seraph
383444 | Zig:22   | Killed a seraph
383446 | Zig:22   | Killed a seraph
383446 | Zig:22   | Killed a seraph
383446 | Zig:22   | Killed a seraph
383447 | Zig:22   | Killed a seraph
383448 | Zig:22   | Noticed a seraph
383448 | Zig:22   | Identified the +1 tower shield of the Carpenter {Str+4}
383448 | Zig:22   | Noticed a seraph
383448 | Zig:22   | Noticed a seraph
383449 | Zig:22   | Killed a seraph
383449 | Zig:22   | Noticed a seraph
383450 | Zig:22   | Noticed a seraph
383450 | Zig:22   | Noticed a seraph
383451 | Zig:22   | Noticed a seraph
383453 | Zig:22   | Killed a seraph
383453 | Zig:22   | Killed a seraph
383453 | Zig:22   | Killed a seraph
383453 | Zig:22   | Killed a seraph
383454 | Zig:22   | Noticed a seraph
383454 | Zig:22   | Noticed a seraph
383455 | Zig:22   | Killed a seraph
383455 | Zig:22   | Killed a seraph
383457 | Zig:22   | Killed a seraph
383457 | Zig:22   | Killed a seraph
383458 | Zig:22   | Noticed a seraph
383461 | Zig:22   | Killed a seraph
383461 | Zig:22   | Killed a seraph
383464 | Zig:22   | Identified the +0 tower shield of Free Will {rC+++ rN++
                  | Str+2 Int-5}
383468 | Zig:22   | Noticed a seraph
383468 | Zig:22   | Noticed a seraph
383469 | Zig:22   | Noticed a seraph
383469 | Zig:22   | Killed a seraph
383469 | Zig:22   | Killed a seraph
383469 | Zig:22   | Killed a seraph
383472 | Zig:22   | Killed a seraph
383473 | Zig:22   | Killed a seraph
383476 | Zig:22   | Killed a seraph
383477 | Zig:22   | Noticed a seraph
383479 | Zig:22   | Killed a seraph
383479 | Zig:22   | Killed a seraph
383480 | Zig:22   | Noticed a seraph
383481 | Zig:22   | Noticed a seraph
383482 | Zig:22   | Killed a seraph
383484 | Zig:22   | Noticed a seraph
383485 | Zig:22   | Identified the +11 tower shield "Megeypn" {+Blink rC+ Int+2
                  | Dex+2}
383487 | Zig:23   | Entered Level 23 of a ziggurat
383497 | Zig:23   | Noticed a dread lich
383498 | Zig:23   | Killed a dread lich
383499 | Zig:23   | Paralysed by a wendigo for 1 turns
383509 | Zig:23   | Noticed a dread lich
383511 | Zig:23   | Killed a dread lich
383706 | Zig:23   | Identified the +0 broad axe of Demonkind {protect, *Rage
                  | Will++ Int+2 Stlth+}
383709 | Zig:23   | Identified the +3 long sword of Zeyn {spect, rF- Str+5
                  | Int+3}
383716 | Zig:23   | Identified the +4 chain mail of Sin {rPois Int+3}
383754 | Zig:23   | Identified the ring "Masullon" {rElec rPois rC++ Will-
                  | Dex+2}
383761 | Zig:23   | Identified the +4 trident of Tender Mercy {freeze, rC+
                  | Will+ Str-4}
383767 | Zig:23   | Identified the +10 scale mail "Nuac" {Will++ Dex+3}
384152 | Zig:24   | Entered Level 24 of a ziggurat
384727 | Zig:24   | Identified the staff of Bisio {rPois Dex+4 Alchemy}
384787 | Zig:24   | Identified the +2 great mace "Ditoh" {freeze, rC+ Str+3}
384813 | Zig:24   | Identified the amulet "Iniusih" {Regen+ MP+9}
384820 | Zig:24   | Identified the death talisman of the Griffon {+Blink MP+9
                  | Slay+3 SInv}
384865 | Zig:25   | Entered Level 25 of a ziggurat
384905 | Zig:25   | Identified the +3 battleaxe of Midnight {holy, *Rage Will++
                  | Dex+4}
384921 | Zig:25   | Identified the +2 robe of Dishonour {Int+3}
384923 | Zig:25   | Identified the +1 mace "Saoreyh" {spect, +Blink}
385117 | Zig:25   | Identified the +11 halberd of the Witching Eel {flame, rC-
                  | rN+++ Str-2 Dex+3}
385120 | Zig:25   | Identified the +4 ring mail "Huamamn" {Int+3}
385151 | Zig:25   | Identified the +10 dagger of Wrongful Imprisonment {freeze,
                  | Will+ MP+9 Str+4}
385174 | Zig:25   | Identified the ring of Typherr {rC+ rN++ MP-9 Dex+3}
385229 | Zig:25   | Identified the staff of the Hand {^Fragile rElec rPois
                  | Dex-4 Conj}
385231 | Zig:25   | Identified the ring "Luer" {Wiz rElec rPois rC+ Str-3}
385240 | Zig:25   | Identified the +0 scale mail of Servitude {^Drain Int+3
                  | Dex+3}
385622 | Zig:26   | Entered Level 26 of a ziggurat
385655 | Zig:26   | Identified the +0 sling "Veiczil" {drain, rC+}
385665 | Zig:27   | Entered Level 27 of a ziggurat
385704 | Zig:27   | Identified the amulet of the Hurting Gods {RegenMP rElec
                  | rF- rCorr Int+2}
385706 | Zig:27   | Identified the +5 short sword "Wonec" {flame, *Corrode rN+
                  | Will+}
385760 | Zig:27   | Identified the +10 whip "Damugi" {venom, Dex+2}
385762 | Zig:27   | Identified the +4 great mace of Dim Light {antimagic, rElec
                  | rCorr Int+5 Dex-5}
385773 | Zig:27   | Identified the ring of Secrets {rPois Will+}
386044 | Zig:27   | Identified the +0 ring mail of the Dwarven Hall {rElec rF-
                  | Dex+2 SInv}
386046 | Zig:27   | Identified the staff "Undertaker" {*Slow Fly rElec Int+3
                  | Conj}
386077 | Zig:27   | Identified the storm talisman of the Moons {Dex+3 SInv}
386113 | Zig:27   | Identified the +3 mace "Ewenam" {vamp, MP+9}
386124 | Zig:27   | Identified the +1 sling of the Hurtling Coward {freeze,
                  | +Blink rF+ rC- Str+4}
386125 | Zig:27   | Identified the +4 orcbow "Ohur" {drain, rElec}
386510 | Depths:3 | Acquired 993 gold pieces
386511 | Depths:3 | Acquired 1140 gold pieces
386565 | Zig:1    | Entered Level 1 of a ziggurat
386578 | Zig:2    | Entered Level 2 of a ziggurat
386578 | Zig:2    | Noticed an ancient lich
386578 | Zig:2    | Noticed an ancient lich
386578 | Zig:2    | Noticed a dread lich
386578 | Zig:2    | Noticed an ancient lich
386578 | Zig:2    | Noticed an ancient lich
386578 | Zig:2    | Noticed a dread lich
386578 | Zig:2    | Noticed an ancient lich
386578 | Zig:2    | Noticed a dread lich
386578 | Zig:2    | Noticed a dread lich
386578 | Zig:2    | Noticed a dread lich
386579 | Zig:2    | Killed a dread lich
386579 | Zig:2    | Killed an ancient lich
386579 | Zig:2    | Killed an ancient lich
386579 | Zig:2    | Killed an ancient lich
386580 | Zig:2    | Noticed an ancient lich
386580 | Zig:2    | Noticed an ancient lich
386580 | Zig:2    | Noticed an ancient lich
386580 | Zig:2    | Noticed a dread lich
386582 | Zig:2    | Killed a dread lich
386582 | Zig:2    | Killed a dread lich
386582 | Zig:2    | Killed a dread lich
386582 | Zig:2    | Killed an ancient lich
386582 | Zig:2    | Killed an ancient lich
386582 | Zig:2    | Killed a dread lich
386582 | Zig:2    | Killed a dread lich
386582 | Zig:2    | Killed an ancient lich
386582 | Zig:2    | Killed an ancient lich
386582 | Zig:2    | Killed an ancient lich
386601 | Zig:3    | Entered Level 3 of a ziggurat
386605 | Zig:3    | Paralysed by an air elemental for 1 turns
386618 | Zig:4    | Entered Level 4 of a ziggurat
386618 | Zig:4    | Noticed a royal mummy
386618 | Zig:4    | Noticed a royal mummy
386618 | Zig:4    | Noticed a royal mummy
386618 | Zig:4    | Noticed a royal mummy
386618 | Zig:4    | Noticed a royal mummy
386618 | Zig:4    | Noticed a royal mummy
386618 | Zig:4    | Noticed a royal mummy
386618 | Zig:4    | Noticed a royal mummy
386618 | Zig:4    | Noticed a royal mummy
386619 | Zig:4    | Killed a royal mummy
386619 | Zig:4    | Killed a royal mummy
386619 | Zig:4    | Killed a royal mummy
386619 | Zig:4    | Killed a royal mummy
386619 | Zig:4    | Killed a royal mummy
386619 | Zig:4    | Killed a royal mummy
386619 | Zig:4    | Killed a royal mummy
386620 | Zig:4    | Noticed a royal mummy
386620 | Zig:4    | Noticed a royal mummy
386621 | Zig:4    | Noticed a royal mummy
386623 | Zig:4    | Killed a royal mummy
386623 | Zig:4    | Killed a royal mummy
386625 | Zig:4    | Killed a royal mummy
386627 | Zig:4    | Killed a royal mummy
386629 | Zig:4    | Killed a royal mummy
386778 | Zig:4    | Identified the +1 pair of gloves of Aximiciw {Slay+4}
386805 | Zig:5    | Entered Level 5 of a ziggurat
386805 | Zig:5    | Noticed an ancient lich
386805 | Zig:5    | Noticed a dread lich
386805 | Zig:5    | Noticed an ancient lich
386805 | Zig:5    | Noticed a dread lich
386805 | Zig:5    | Noticed an ancient lich
386805 | Zig:5    | Noticed an ancient lich
386805 | Zig:5    | Noticed an ancient lich
386805 | Zig:5    | Noticed a dread lich
386805 | Zig:5    | Noticed an ancient lich
386805 | Zig:5    | Noticed a dread lich
386805 | Zig:5    | Noticed an ancient lich
386805 | Zig:5    | Noticed a dread lich
386805 | Zig:5    | Noticed an ancient lich
386805 | Zig:5    | Noticed an ancient lich
386805 | Zig:5    | Noticed an ancient lich
386805 | Zig:5    | Noticed a dread lich
386805 | Zig:5    | Noticed an ancient lich
386805 | Zig:5    | Noticed an ancient lich
386805 | Zig:5    | Noticed an ancient lich
386805 | Zig:5    | Noticed a dread lich
386805 | Zig:5    | Noticed an ancient lich
386805 | Zig:5    | Noticed a dread lich
386805 | Zig:5    | Noticed an ancient lich
386806 | Zig:5    | Killed an ancient lich
386806 | Zig:5    | Killed a dread lich
386806 | Zig:5    | Killed a dread lich
386806 | Zig:5    | Killed an ancient lich
386806 | Zig:5    | Killed a dread lich
386806 | Zig:5    | Killed an ancient lich
386806 | Zig:5    | Killed an ancient lich
386806 | Zig:5    | Killed an ancient lich
386806 | Zig:5    | Killed an ancient lich
386807 | Zig:5    | Killed a dread lich
386808 | Zig:5    | Noticed an ancient lich
386809 | Zig:5    | Noticed a dread lich
386809 | Zig:5    | Noticed an ancient lich
386809 | Zig:5    | Noticed a dread lich
386809 | Zig:5    | Noticed a dread lich
386809 | Zig:5    | Noticed a dread lich
386809 | Zig:5    | Noticed a dread lich
386810 | Zig:5    | Noticed an ancient lich
386811 | Zig:5    | Noticed a dread lich
386811 | Zig:5    | Noticed an ancient lich
386811 | Zig:5    | Killed an ancient lich
386811 | Zig:5    | Killed a dread lich
386812 | Zig:5    | Killed an ancient lich
386812 | Zig:5    | Killed a dread lich
386812 | Zig:5    | Killed a dread lich
386812 | Zig:5    | Killed an ancient lich
386812 | Zig:5    | Killed an ancient lich
386812 | Zig:5    | Killed an ancient lich
386812 | Zig:5    | Killed a dread lich
386812 | Zig:5    | Killed an ancient lich
386812 | Zig:5    | Killed a dread lich
386812 | Zig:5    | Killed a dread lich
386813 | Zig:5    | Noticed an ancient lich
386814 | Zig:5    | Killed an ancient lich
386814 | Zig:5    | Killed an ancient lich
386815 | Zig:5    | Killed an ancient lich
386816 | Zig:5    | Killed a dread lich
386816 | Zig:5    | Killed an ancient lich
386816 | Zig:5    | Killed a dread lich
386816 | Zig:5    | Killed an ancient lich
386816 | Zig:5    | Killed a dread lich
386816 | Zig:5    | Killed an ancient lich
386817 | Zig:5    | Killed a dread lich
386817 | Zig:5    | Killed an ancient lich
386818 | Zig:5    | Killed an ancient lich
386825 | Zig:6    | Entered Level 6 of a ziggurat
386825 | Zig:6    | Noticed a dread lich
386825 | Zig:6    | Noticed an ancient lich
386825 | Zig:6    | Noticed a dread lich
386825 | Zig:6    | Noticed an ancient lich
386825 | Zig:6    | Noticed an ancient lich
386825 | Zig:6    | Noticed a dread lich
386825 | Zig:6    | Noticed a dread lich
386825 | Zig:6    | Noticed an ancient lich
386825 | Zig:6    | Noticed an ancient lich
386825 | Zig:6    | Noticed an ancient lich
386825 | Zig:6    | Noticed an ancient lich
386825 | Zig:6    | Noticed an ancient lich
386825 | Zig:6    | Noticed an ancient lich
386825 | Zig:6    | Noticed a dread lich
386825 | Zig:6    | Noticed an ancient lich
386825 | Zig:6    | Noticed a dread lich
386825 | Zig:6    | Noticed a dread lich
386825 | Zig:6    | Noticed a dread lich
386826 | Zig:6    | Killed an ancient lich
386826 | Zig:6    | Killed an ancient lich
386826 | Zig:6    | Killed a dread lich
386826 | Zig:6    | Killed an ancient lich
386826 | Zig:6    | Killed an ancient lich
386826 | Zig:6    | Killed an ancient lich
386826 | Zig:6    | Killed an ancient lich
386827 | Zig:6    | Noticed a dread lich
386827 | Zig:6    | Noticed a dread lich
386827 | Zig:6    | Noticed a dread lich
386828 | Zig:6    | Noticed an ancient lich
386828 | Zig:6    | Killed an ancient lich
386828 | Zig:6    | Killed an ancient lich
386829 | Zig:6    | Noticed a dread lich
386829 | Zig:6    | Noticed a dread lich
386829 | Zig:6    | Noticed an ancient lich
386829 | Zig:6    | Noticed an ancient lich
386829 | Zig:6    | Killed a dread lich
386830 | Zig:6    | Killed a dread lich
386830 | Zig:6    | Killed a dread lich
386830 | Zig:6    | Killed a dread lich
386830 | Zig:6    | Killed an ancient lich
386830 | Zig:6    | Killed a dread lich
386830 | Zig:6    | Killed a dread lich
386830 | Zig:6    | Killed a dread lich
386830 | Zig:6    | Killed a dread lich
386831 | Zig:6    | Noticed a dread lich
386831 | Zig:6    | Noticed an ancient lich
386831 | Zig:6    | Noticed a dread lich
386831 | Zig:6    | Killed an ancient lich
386832 | Zig:6    | Noticed a dread lich
386832 | Zig:6    | Noticed a dread lich
386832 | Zig:6    | Killed an ancient lich
386834 | Zig:6    | Killed a dread lich
386834 | Zig:6    | Killed an ancient lich
386834 | Zig:6    | Killed an ancient lich
386834 | Zig:6    | Killed a dread lich
386834 | Zig:6    | Killed a dread lich
386834 | Zig:6    | Killed an ancient lich
386834 | Zig:6    | Killed a dread lich
386835 | Zig:6    | Killed a dread lich
386838 | Zig:6    | Killed a dread lich
386838 | Zig:6    | Killed a dread lich
386842 | Zig:6    | Identified the +7 trident of the Butterfly {flame, rN+
                  | Int+5}
386846 | Zig:7    | Entered Level 7 of a ziggurat
386846 | Zig:7    | Noticed Feump the pandemonium lord
386846 | Zig:7    | Noticed Ygud the pandemonium lord
386846 | Zig:7    | Noticed Monge the pandemonium lord
386846 | Zig:7    | Noticed Gaunn the pandemonium lord
386846 | Zig:7    | Noticed Ustrameask the pandemonium lord
386846 | Zig:7    | Noticed Naomif the pandemonium lord
386846 | Zig:7    | Noticed Qoviwoq the pandemonium lord
386846 | Zig:7    | Noticed Dyqish the pandemonium lord
386846 | Zig:7    | Noticed Qugasir the pandemonium lord
386846 | Zig:7    | Noticed Didouh the pandemonium lord
386846 | Zig:7    | Noticed Hag Apud the pandemonium lord
386846 | Zig:7    | Noticed Feiraone the pandemonium lord
386846 | Zig:7    | Noticed Uqeletulo the pandemonium lord
386846 | Zig:7    | Noticed Vuliahop the pandemonium lord
386846 | Zig:7    | Noticed Nacuevuch the pandemonium lord
386846 | Zig:7    | Noticed Tiodunown the pandemonium lord
386846 | Zig:7    | Noticed Tah Xyrr the pandemonium lord
386846 | Zig:7    | Noticed Suubalus the pandemonium lord
386846 | Zig:7    | Noticed Ryuf the pandemonium lord
386846 | Zig:7    | Noticed Syiliem the pandemonium lord
386846 | Zig:7    | Noticed Bater the pandemonium lord
386846 | Zig:7    | Noticed Oduad the pandemonium lord
386846 | Zig:7    | Noticed Ughiadgh the pandemonium lord
386846 | Zig:7    | Noticed Qasoxaor the pandemonium lord
386846 | Zig:7    | Noticed Jezxealio the pandemonium lord
386846 | Zig:7    | Noticed Tiwoet the pandemonium lord
386846 | Zig:7    | Noticed Veskeuh the pandemonium lord
386846 | Zig:7    | Noticed Rumuckuq the pandemonium lord
386846 | Zig:7    | Noticed Qiempu Nemm the pandemonium lord
386846 | Zig:7    | Noticed Joji the pandemonium lord
386847 | Zig:7    | Killed Qugasir the pandemonium lord
386847 | Zig:7    | Killed Uqeletulo the pandemonium lord
386847 | Zig:7    | Killed Nacuevuch the pandemonium lord
386847 | Zig:7    | Killed Bater the pandemonium lord
386847 | Zig:7    | Killed Oduad the pandemonium lord
386847 | Zig:7    | Killed Jezxealio the pandemonium lord
386847 | Zig:7    | Killed Qasoxaor the pandemonium lord
386849 | Zig:7    | Noticed Caoninont the pandemonium lord
386850 | Zig:7    | Killed Veskeuh the pandemonium lord
386850 | Zig:7    | Killed Joji the pandemonium lord
386850 | Zig:7    | Killed Syiliem the pandemonium lord
386850 | Zig:7    | Killed Ughiadgh the pandemonium lord
386850 | Zig:7    | Killed Tiwoet the pandemonium lord
386850 | Zig:7    | Killed Dyqish the pandemonium lord
386850 | Zig:7    | Killed Hag Apud the pandemonium lord
386850 | Zig:7    | Noticed Darhim the pandemonium lord
386851 | Zig:7    | Noticed Famouhee the pandemonium lord
386851 | Zig:7    | Noticed Savedouz the pandemonium lord
386851 | Zig:7    | Noticed Loto Fuohu the pandemonium lord
386851 | Zig:7    | Noticed Vifawop the pandemonium lord
386852 | Zig:7    | Noticed Kesiul the pandemonium lord
386852 | Zig:7    | Noticed Yje Kexa the pandemonium lord
386852 | Zig:7    | Noticed Ditath Ituu the pandemonium lord
386852 | Zig:7    | Killed Feump the pandemonium lord
386852 | Zig:7    | Killed Tiodunown the pandemonium lord
386852 | Zig:7    | Killed Monge the pandemonium lord
386852 | Zig:7    | Killed Rumuckuq the pandemonium lord
386852 | Zig:7    | Killed Ygud the pandemonium lord
386852 | Zig:7    | Noticed Jisyahoal the pandemonium lord
386853 | Zig:7    | Noticed Xiza the pandemonium lord
386853 | Zig:7    | Noticed Eqir the pandemonium lord
386853 | Zig:7    | Noticed Modghez the pandemonium lord
386856 | Zig:7    | Noticed Yme Nege the pandemonium lord
386856 | Zig:7    | Noticed Beocrucw the pandemonium lord
386858 | Zig:7    | Noticed Veusunas the pandemonium lord
386859 | Zig:7    | Killed Qoviwoq the pandemonium lord
386860 | Zig:7    | Killed Savedouz the pandemonium lord
386860 | Zig:7    | Killed Kesiul the pandemonium lord
386860 | Zig:7    | Noticed Ylohem the pandemonium lord
386863 | Zig:7    | Killed Darhim the pandemonium lord
386864 | Zig:7    | Killed Caoninont the pandemonium lord
386864 | Zig:7    | Killed Loto Fuohu the pandemonium lord
386864 | Zig:7    | Killed Ryuf the pandemonium lord
386864 | Zig:7    | Killed Suubalus the pandemonium lord
386864 | Zig:7    | Killed Vuliahop the pandemonium lord
386864 | Zig:7    | Killed Gaunn the pandemonium lord
386864 | Zig:7    | Killed Jisyahoal the pandemonium lord
386864 | Zig:7    | Killed Tah Xyrr the pandemonium lord
386864 | Zig:7    | Killed Yje Kexa the pandemonium lord
386864 | Zig:7    | Killed Beocrucw the pandemonium lord
386865 | Zig:7    | Killed Ditath Ituu the pandemonium lord
386865 | Zig:7    | Killed Didouh the pandemonium lord
386865 | Zig:7    | Killed Ustrameask the pandemonium lord
386865 | Zig:7    | Killed Naomif the pandemonium lord
386865 | Zig:7    | Killed Yme Nege the pandemonium lord
386865 | Zig:7    | Killed Veusunas the pandemonium lord
386866 | Zig:7    | Noticed Peut the pandemonium lord
386867 | Zig:7    | Killed Feiraone the pandemonium lord
386867 | Zig:7    | Killed Vifawop the pandemonium lord
386867 | Zig:7    | Killed Modghez the pandemonium lord
386867 | Zig:7    | Noticed Jinav the pandemonium lord
386868 | Zig:7    | Noticed Vyedumon the pandemonium lord
386869 | Zig:7    | Killed Qiempu Nemm the pandemonium lord
386869 | Zig:7    | Killed Ylohem the pandemonium lord
386869 | Zig:7    | Noticed Abroucza the pandemonium lord
386870 | Zig:7    | Killed Famouhee the pandemonium lord
386870 | Zig:7    | Killed Peut the pandemonium lord
386870 | Zig:7    | Killed Eqir the pandemonium lord
386870 | Zig:7    | Killed Xiza the pandemonium lord
386871 | Zig:7    | Noticed Izesusm the pandemonium lord
386875 | Zig:7    | Killed Abroucza the pandemonium lord
386877 | Zig:7    | Killed Vyedumon the pandemonium lord
386878 | Zig:7    | Killed Jinav the pandemonium lord
386878 | Zig:7    | Killed Izesusm the pandemonium lord
386894 | Zig:7    | Identified the staff "Ceuguneo" {*Slow +Blink rElec MP+9
                  | Str+6 Air}
387111 | Zig:7    | Identified the +2 flail of Sifusul {protect, rElec rPois
                  | rC- MP+9 Str+3}
387126 | Zig:8    | Entered Level 8 of a ziggurat
387150 | Zig:9    | Entered Level 9 of a ziggurat
387182 | Zig:10   | Entered Level 10 of a ziggurat
387182 | Zig:10   | Noticed a royal mummy
387182 | Zig:10   | Noticed a royal mummy
387182 | Zig:10   | Noticed a royal mummy
387182 | Zig:10   | Noticed a royal mummy
387182 | Zig:10   | Noticed a royal mummy
387182 | Zig:10   | Noticed a royal mummy
387182 | Zig:10   | Noticed a royal mummy
387182 | Zig:10   | Noticed a royal mummy
387182 | Zig:10   | Noticed a royal mummy
387182 | Zig:10   | Noticed a royal mummy
387182 | Zig:10   | Noticed a royal mummy
387182 | Zig:10   | Noticed a royal mummy
387182 | Zig:10   | Noticed a royal mummy
387182 | Zig:10   | Noticed a royal mummy
387182 | Zig:10   | Noticed a royal mummy
387182 | Zig:10   | Noticed a royal mummy
387183 | Zig:10   | Killed a royal mummy
387183 | Zig:10   | Killed a royal mummy
387183 | Zig:10   | Killed a royal mummy
387183 | Zig:10   | Killed a royal mummy
387183 | Zig:10   | Killed a royal mummy
387183 | Zig:10   | Killed a royal mummy
387183 | Zig:10   | Killed a royal mummy
387183 | Zig:10   | Killed a royal mummy
387183 | Zig:10   | Killed a royal mummy
387183 | Zig:10   | Killed a royal mummy
387183 | Zig:10   | Killed a royal mummy
387183 | Zig:10   | Killed a royal mummy
387183 | Zig:10   | Killed a royal mummy
387188 | Zig:10   | Killed a royal mummy
387188 | Zig:10   | Killed a royal mummy
387188 | Zig:10   | Killed a royal mummy
387189 | Zig:10   | Noticed a royal mummy
387189 | Zig:10   | Noticed a royal mummy
387189 | Zig:10   | Noticed a royal mummy
387191 | Zig:10   | Killed a royal mummy
387192 | Zig:10   | Noticed a royal mummy
387193 | Zig:10   | Noticed a royal mummy
387193 | Zig:10   | Noticed a royal mummy
387193 | Zig:10   | Noticed a royal mummy
387194 | Zig:10   | Killed a royal mummy
387194 | Zig:10   | Killed a royal mummy
387195 | Zig:10   | Killed a royal mummy
387195 | Zig:10   | Killed a royal mummy
387196 | Zig:10   | Noticed a royal mummy
387196 | Zig:10   | Noticed a royal mummy
387198 | Zig:10   | Killed a royal mummy
387198 | Zig:10   | Killed a royal mummy
387202 | Zig:10   | Killed a royal mummy
387204 | Zig:10   | Killed a royal mummy
387531 | Zig:10   | Identified the staff of Tuzut {Int+3 Dex+2 Earth}
387534 | Zig:10   | Identified the +10 arbalest of Meogg {flame, Str+2}
387538 | Zig:10   | Identified the +4 sling of Massacring {speed, rC+}
387548 | Zig:10   | Identified the +6 plate armour of the Pleiades {rN+++
                  | Regen+ MP+9 Int-3}
387553 | Zig:10   | Identified the +0 buckler of Trial and Error {Int+5}
387580 | Zig:11   | Entered Level 11 of a ziggurat
387580 | Zig:11   | Noticed a royal mummy
387580 | Zig:11   | Noticed a royal mummy
387580 | Zig:11   | Noticed a royal mummy
387580 | Zig:11   | Noticed a royal mummy
387580 | Zig:11   | Noticed a royal mummy
387580 | Zig:11   | Noticed a royal mummy
387580 | Zig:11   | Noticed a royal mummy
387580 | Zig:11   | Noticed a royal mummy
387580 | Zig:11   | Noticed a royal mummy
387580 | Zig:11   | Noticed a royal mummy
387580 | Zig:11   | Noticed a royal mummy
387580 | Zig:11   | Noticed a royal mummy
387580 | Zig:11   | Noticed a royal mummy
387581 | Zig:11   | Killed a royal mummy
387581 | Zig:11   | Killed a royal mummy
387581 | Zig:11   | Killed a royal mummy
387581 | Zig:11   | Killed a royal mummy
387581 | Zig:11   | Killed a royal mummy
387581 | Zig:11   | Killed a royal mummy
387581 | Zig:11   | Killed a royal mummy
387581 | Zig:11   | Killed a royal mummy
387581 | Zig:11   | Killed a royal mummy
387581 | Zig:11   | Killed a royal mummy
387581 | Zig:11   | Killed a royal mummy
387581 | Zig:11   | Killed a royal mummy
387582 | Zig:11   | Noticed a royal mummy
387583 | Zig:11   | Noticed a royal mummy
387583 | Zig:11   | Noticed a royal mummy
387583 | Zig:11   | Noticed a royal mummy
387584 | Zig:11   | Killed a royal mummy
387584 | Zig:11   | Noticed a royal mummy
387584 | Zig:11   | Noticed a royal mummy
387584 | Zig:11   | Noticed a royal mummy
387587 | Zig:11   | Noticed a royal mummy
387587 | Zig:11   | Noticed a royal mummy
387587 | Zig:11   | Noticed a royal mummy
387588 | Zig:11   | Killed a royal mummy
387588 | Zig:11   | Killed a royal mummy
387588 | Zig:11   | Killed a royal mummy
387588 | Zig:11   | Killed a royal mummy
387588 | Zig:11   | Killed a royal mummy
387588 | Zig:11   | Killed a royal mummy
387589 | Zig:11   | Killed a royal mummy
387589 | Zig:11   | Noticed a royal mummy
387589 | Zig:11   | Noticed a royal mummy
387590 | Zig:11   | Noticed a royal mummy
387590 | Zig:11   | Killed a royal mummy
387591 | Zig:11   | Killed a royal mummy
387591 | Zig:11   | Killed a royal mummy
387591 | Zig:11   | Noticed a royal mummy
387591 | Zig:11   | Noticed a royal mummy
387592 | Zig:11   | Noticed a royal mummy
387593 | Zig:11   | Noticed a royal mummy
387594 | Zig:11   | Killed a royal mummy
387594 | Zig:11   | Killed a royal mummy
387594 | Zig:11   | Killed a royal mummy
387594 | Zig:11   | Killed a royal mummy
387595 | Zig:11   | Killed a royal mummy
387595 | Zig:11   | Killed a royal mummy
387595 | Zig:11   | Killed a royal mummy
387595 | Zig:11   | Noticed a royal mummy
387596 | Zig:11   | Noticed a royal mummy
387596 | Zig:11   | Noticed a royal mummy
387598 | Zig:11   | Noticed a royal mummy
387601 | Zig:11   | Killed a royal mummy
387602 | Zig:11   | Killed a royal mummy
387602 | Zig:11   | Killed a royal mummy
387605 | Zig:11   | Killed a royal mummy
387640 | Zig:11   | Identified the ring "Migoimu" {Wiz ^Contam *Corrode Dex+8}
387684 | Zig:11   | Identified the +1 dire flail of Gaodenuk {venom, rC+ rCorr
                  | Int+6}
388102 | Zig:12   | Entered Level 12 of a ziggurat
388132 | Zig:12   | Identified the +1 robe of Tortelloni {rN+ Dex+2 Archmagi}
388145 | Zig:13   | Entered Level 13 of a ziggurat
388145 | Zig:13   | Noticed Onyk the pandemonium lord
388145 | Zig:13   | Noticed Bievusar the pandemonium lord
388145 | Zig:13   | Noticed Sufo the pandemonium lord
388145 | Zig:13   | Noticed Fuewkif the pandemonium lord
388145 | Zig:13   | Noticed Cuavoop the pandemonium lord
388145 | Zig:13   | Noticed Keq Pese the pandemonium lord
388145 | Zig:13   | Noticed Loymucw the pandemonium lord
388145 | Zig:13   | Noticed Tiesez the pandemonium lord
388145 | Zig:13   | Noticed Xuefaug the pandemonium lord
388145 | Zig:13   | Noticed Zivem the pandemonium lord
388145 | Zig:13   | Noticed Fus Uka the pandemonium lord
388145 | Zig:13   | Noticed Tusearer the pandemonium lord
388145 | Zig:13   | Noticed Seneg the pandemonium lord
388145 | Zig:13   | Noticed Fothuhen the pandemonium lord
388145 | Zig:13   | Noticed Luociy the pandemonium lord
388145 | Zig:13   | Noticed Lagomeup the pandemonium lord
388145 | Zig:13   | Noticed Murulim the pandemonium lord
388145 | Zig:13   | Noticed Xoptukh the pandemonium lord
388145 | Zig:13   | Noticed Pyixului the pandemonium lord
388145 | Zig:13   | Noticed Baleutzoin the pandemonium lord
388145 | Zig:13   | Noticed Tusom the pandemonium lord
388145 | Zig:13   | Noticed Durghalu the pandemonium lord
388145 | Zig:13   | Noticed Pajap the pandemonium lord
388145 | Zig:13   | Noticed Qekips the pandemonium lord
388145 | Zig:13   | Noticed Ucwop the pandemonium lord
388145 | Zig:13   | Noticed Efiuk the pandemonium lord
388145 | Zig:13   | Noticed Geip the pandemonium lord
388145 | Zig:13   | Noticed Orhen the pandemonium lord
388145 | Zig:13   | Noticed Jool the pandemonium lord
388145 | Zig:13   | Noticed Xiogex the pandemonium lord
388145 | Zig:13   | Noticed Umpuy the pandemonium lord
388145 | Zig:13   | Noticed Elatar the pandemonium lord
388145 | Zig:13   | Noticed Ytaluqomm the pandemonium lord
388145 | Zig:13   | Noticed Zoiluda the pandemonium lord
388145 | Zig:13   | Noticed Qoufahuw the pandemonium lord
388145 | Zig:13   | Noticed Owukhoq the pandemonium lord
388145 | Zig:13   | Noticed Sugep the pandemonium lord
388145 | Zig:13   | Noticed Kosocot the pandemonium lord
388145 | Zig:13   | Noticed Miynughi the pandemonium lord
388145 | Zig:13   | Noticed Fuantoin the pandemonium lord
388145 | Zig:13   | Noticed Yxty the pandemonium lord
388147 | Zig:13   | Killed Tiesez the pandemonium lord
388147 | Zig:13   | Killed Loymucw the pandemonium lord
388147 | Zig:13   | Killed Lagomeup the pandemonium lord
388147 | Zig:13   | Killed Durghalu the pandemonium lord
388147 | Zig:13   | Killed Zivem the pandemonium lord
388147 | Zig:13   | Killed Fus Uka the pandemonium lord
388147 | Zig:13   | Killed Tusearer the pandemonium lord
388147 | Zig:13   | Killed Seneg the pandemonium lord
388147 | Zig:13   | Killed Tusom the pandemonium lord
388147 | Zig:13   | Killed Murulim the pandemonium lord
388147 | Zig:13   | Killed Owukhoq the pandemonium lord
388147 | Zig:13   | Killed Pajap the pandemonium lord
388147 | Zig:13   | Killed Ytaluqomm the pandemonium lord
388147 | Zig:13   | Killed Geip the pandemonium lord
388147 | Zig:13   | Killed Xiogex the pandemonium lord
388147 | Zig:13   | Killed Elatar the pandemonium lord
388147 | Zig:13   | Killed Miynughi the pandemonium lord
388147 | Zig:13   | Killed Umpuy the pandemonium lord
388147 | Zig:13   | Killed Sugep the pandemonium lord
388147 | Zig:13   | Killed Pyixului the pandemonium lord
388147 | Zig:13   | Killed Keq Pese the pandemonium lord
388147 | Zig:13   | Killed Bievusar the pandemonium lord
388148 | Zig:13   | Killed Orhen the pandemonium lord
388148 | Zig:13   | Killed Qoufahuw the pandemonium lord
388148 | Zig:13   | Killed Fuantoin the pandemonium lord
388148 | Zig:13   | Killed Xuefaug the pandemonium lord
388148 | Zig:13   | Killed Xoptukh the pandemonium lord
388148 | Zig:13   | Killed Sufo the pandemonium lord
388149 | Zig:13   | Noticed Afieto the pandemonium lord
388149 | Zig:13   | Noticed Ynganeos the pandemonium lord
388149 | Zig:13   | Noticed Rasmor the pandemonium lord
388149 | Zig:13   | Killed Baleutzoin the pandemonium lord
388150 | Zig:13   | Killed Yxty the pandemonium lord
388150 | Zig:13   | Killed Ucwop the pandemonium lord
388150 | Zig:13   | Killed Luociy the pandemonium lord
388150 | Zig:13   | Killed Onyk the pandemonium lord
388150 | Zig:13   | Killed Qekips the pandemonium lord
388151 | Zig:13   | Noticed Yfor the pandemonium lord
388151 | Zig:13   | Noticed Qeitt the pandemonium lord
388151 | Zig:13   | Noticed Hyczoc the pandemonium lord
388151 | Zig:13   | Noticed Linyd the pandemonium lord
388151 | Zig:13   | Noticed Bisaq the pandemonium lord
388151 | Zig:13   | Noticed Nioke the pandemonium lord
388151 | Zig:13   | Noticed Aceclij the pandemonium lord
388151 | Zig:13   | Noticed Kuacs the pandemonium lord
388151 | Zig:13   | Noticed Jeinod the pandemonium lord
388151 | Zig:13   | Noticed Dym Xel the pandemonium lord
388151 | Zig:13   | Noticed Wolotog the pandemonium lord
388152 | Zig:13   | Noticed Xelayri the pandemonium lord
388152 | Zig:13   | Noticed Owyet the pandemonium lord
388152 | Zig:13   | Noticed Serouxt the pandemonium lord
388152 | Zig:13   | Noticed Luonoomn the pandemonium lord
388152 | Zig:13   | Killed Fothuhen the pandemonium lord
388152 | Zig:13   | Killed Cuavoop the pandemonium lord
388152 | Zig:13   | Killed Efiuk the pandemonium lord
388152 | Zig:13   | Killed Jool the pandemonium lord
388152 | Zig:13   | Killed Ynganeos the pandemonium lord
388152 | Zig:13   | Killed Fuewkif the pandemonium lord
388153 | Zig:13   | Noticed Daceu the pandemonium lord
388153 | Zig:13   | Noticed Izu Jum the pandemonium lord
388153 | Zig:13   | Noticed Jimiatiw the pandemonium lord
388153 | Zig:13   | Noticed Vevooh the pandemonium lord
388153 | Zig:13   | Noticed Fecui the pandemonium lord
388153 | Zig:13   | Noticed Seboiho the pandemonium lord
388153 | Zig:13   | Noticed Agiah the pandemonium lord
388154 | Zig:13   | Killed Kosocot the pandemonium lord
388154 | Zig:13   | Killed Luonoomn the pandemonium lord
388154 | Zig:13   | Noticed Xetweozu the pandemonium lord
388155 | Zig:13   | Killed Bisaq the pandemonium lord
388155 | Zig:13   | Killed Qeitt the pandemonium lord
388155 | Zig:13   | Noticed Xoil the pandemonium lord
388155 | Zig:13   | Noticed Xanwydef the pandemonium lord
388155 | Zig:13   | Killed Jimiatiw the pandemonium lord
388155 | Zig:13   | Killed Daceu the pandemonium lord
388155 | Zig:13   | Killed Dym Xel the pandemonium lord
388156 | Zig:13   | Noticed Zamonamp the pandemonium lord
388156 | Zig:13   | Noticed Rogo the pandemonium lord
388156 | Zig:13   | Noticed Azityick the pandemonium lord
388156 | Zig:13   | Noticed Fomocar the pandemonium lord
388156 | Zig:13   | Noticed Esiabe the pandemonium lord
388156 | Zig:13   | Noticed Kiwoudutt the pandemonium lord
388156 | Zig:13   | Killed Yfor the pandemonium lord
388156 | Zig:13   | Noticed Vuibeqim the pandemonium lord
388156 | Zig:13   | Noticed Nalukhlu the pandemonium lord
388157 | Zig:13   | Noticed Xucuynax the pandemonium lord
388157 | Zig:13   | Killed Zoiluda the pandemonium lord
388157 | Zig:13   | Noticed Quog the pandemonium lord
388158 | Zig:13   | Killed Serouxt the pandemonium lord
388158 | Zig:13   | Killed Hyczoc the pandemonium lord
388158 | Zig:13   | Killed Wolotog the pandemonium lord
388158 | Zig:13   | Killed Xelayri the pandemonium lord
388158 | Zig:13   | Killed Fecui the pandemonium lord
388158 | Zig:13   | Killed Linyd the pandemonium lord
388158 | Zig:13   | Killed Xoil the pandemonium lord
388158 | Zig:13   | Killed Vuibeqim the pandemonium lord
388158 | Zig:13   | Killed Izu Jum the pandemonium lord
388158 | Zig:13   | Killed Owyet the pandemonium lord
388158 | Zig:13   | Killed Kiwoudutt the pandemonium lord
388158 | Zig:13   | Killed Afieto the pandemonium lord
388158 | Zig:13   | Noticed Okismy the pandemonium lord
388158 | Zig:13   | Killed Jeinod the pandemonium lord
388159 | Zig:13   | Noticed Uddup the pandemonium lord
388159 | Zig:13   | Noticed Hutoewn the pandemonium lord
388159 | Zig:13   | Noticed Jyzuxaa the pandemonium lord
388159 | Zig:13   | Noticed Likysm the pandemonium lord
388159 | Zig:13   | Noticed Aroam the pandemonium lord
388160 | Zig:13   | Killed Kuacs the pandemonium lord
388160 | Zig:13   | Killed Zamonamp the pandemonium lord
388160 | Zig:13   | Killed Quog the pandemonium lord
388160 | Zig:13   | Killed Azityick the pandemonium lord
388160 | Zig:13   | Killed Rasmor the pandemonium lord
388160 | Zig:13   | Noticed Yhufe the pandemonium lord
388160 | Zig:13   | Noticed Gugrutzu the pandemonium lord
388161 | Zig:13   | Noticed Vaikhluk the pandemonium lord
388161 | Zig:13   | Noticed Bagau the pandemonium lord
388161 | Zig:13   | Noticed Sexkug the pandemonium lord
388161 | Zig:13   | Noticed Soxohyoh the pandemonium lord
388161 | Zig:13   | Noticed Lujuklan the pandemonium lord
388161 | Zig:13   | Noticed Duudwub the pandemonium lord
388161 | Zig:13   | Killed Likysm the pandemonium lord
388161 | Zig:13   | Killed Xanwydef the pandemonium lord
388162 | Zig:13   | Noticed Ruonow the pandemonium lord
388162 | Zig:13   | Noticed Ifudou the pandemonium lord
388162 | Zig:13   | Noticed Xinoh the pandemonium lord
388163 | Zig:13   | Killed Aroam the pandemonium lord
388163 | Zig:13   | Killed Esiabe the pandemonium lord
388163 | Zig:13   | Killed Fomocar the pandemonium lord
388163 | Zig:13   | Killed Agiah the pandemonium lord
388163 | Zig:13   | Killed Hutoewn the pandemonium lord
388163 | Zig:13   | Killed Nalukhlu the pandemonium lord
388163 | Zig:13   | Killed Vaikhluk the pandemonium lord
388163 | Zig:13   | Killed Okismy the pandemonium lord
388163 | Zig:13   | Killed Gugrutzu the pandemonium lord
388163 | Zig:13   | Killed Jyzuxaa the pandemonium lord
388163 | Zig:13   | Killed Nioke the pandemonium lord
388163 | Zig:13   | Noticed Hizxa the pandemonium lord
388164 | Zig:13   | Noticed Pyipufapya the pandemonium lord
388164 | Zig:13   | Noticed Cegout the pandemonium lord
388164 | Zig:13   | Killed Aceclij the pandemonium lord
388164 | Zig:13   | Killed Rogo the pandemonium lord
388164 | Zig:13   | Killed Xucuynax the pandemonium lord
388164 | Zig:13   | Killed Sexkug the pandemonium lord
388165 | Zig:13   | Killed Uddup the pandemonium lord
388165 | Zig:13   | Killed Bagau the pandemonium lord
388165 | Zig:13   | Killed Ruonow the pandemonium lord
388165 | Zig:13   | Killed Duudwub the pandemonium lord
388165 | Zig:13   | Killed Seboiho the pandemonium lord
388165 | Zig:13   | Noticed Natenid the pandemonium lord
388165 | Zig:13   | Noticed Ugoacs the pandemonium lord
388165 | Zig:13   | Noticed Necy the pandemonium lord
388166 | Zig:13   | Noticed Wuemifidgh the pandemonium lord
388166 | Zig:13   | Noticed Yvisserebb the pandemonium lord
388166 | Zig:13   | Noticed Feetyler the pandemonium lord
388167 | Zig:13   | Noticed Keimoe the pandemonium lord
388167 | Zig:13   | Noticed Nofeb the pandemonium lord
388167 | Zig:13   | Noticed Nefots the pandemonium lord
388167 | Zig:13   | Noticed Faroidaf the pandemonium lord
388167 | Zig:13   | Noticed Doaj the pandemonium lord
388169 | Zig:13   | Noticed Maniaj the pandemonium lord
388169 | Zig:13   | Noticed Azaj the pandemonium lord
388169 | Zig:13   | Killed Ifudou the pandemonium lord
388169 | Zig:13   | Killed Pyipufapya the pandemonium lord
388169 | Zig:13   | Killed Hizxa the pandemonium lord
388169 | Zig:13   | Killed Lujuklan the pandemonium lord
388169 | Zig:13   | Killed Natenid the pandemonium lord
388169 | Zig:13   | Killed Feetyler the pandemonium lord
388169 | Zig:13   | Killed Maniaj the pandemonium lord
388169 | Zig:13   | Killed Soxohyoh the pandemonium lord
388170 | Zig:13   | Killed Yhufe the pandemonium lord
388170 | Zig:13   | Killed Vevooh the pandemonium lord
388170 | Zig:13   | Killed Necy the pandemonium lord
388170 | Zig:13   | Killed Ugoacs the pandemonium lord
388170 | Zig:13   | Noticed Odimuiw the pandemonium lord
388171 | Zig:13   | Noticed Mifyte the pandemonium lord
388171 | Zig:13   | Noticed Inyr the pandemonium lord
388172 | Zig:13   | Noticed Vochoon the pandemonium lord
388172 | Zig:13   | Noticed Hylerov the pandemonium lord
388172 | Zig:13   | Noticed Zaraseli the pandemonium lord
388172 | Zig:13   | Noticed Vucvuov the pandemonium lord
388172 | Zig:13   | Noticed Hokhinnessu the pandemonium lord
388173 | Zig:13   | Killed Wuemifidgh the pandemonium lord
388173 | Zig:13   | Killed Doaj the pandemonium lord
388173 | Zig:13   | Killed Azaj the pandemonium lord
388173 | Zig:13   | Killed Nofeb the pandemonium lord
388173 | Zig:13   | Killed Odimuiw the pandemonium lord
388173 | Zig:13   | Noticed Cixorog the pandemonium lord
388174 | Zig:13   | Killed Nefots the pandemonium lord
388174 | Zig:13   | Killed Xinoh the pandemonium lord
388174 | Zig:13   | Killed Faroidaf the pandemonium lord
388174 | Zig:13   | Killed Vucvuov the pandemonium lord
388174 | Zig:13   | Noticed Byx Otuwn the pandemonium lord
388174 | Zig:13   | Killed Zaraseli the pandemonium lord
388174 | Zig:13   | Killed Cegout the pandemonium lord
388174 | Zig:13   | Noticed Ymackoom the pandemonium lord
388175 | Zig:13   | Killed Mifyte the pandemonium lord
388175 | Zig:13   | Killed Vochoon the pandemonium lord
388175 | Zig:13   | Killed Hokhinnessu the pandemonium lord
388176 | Zig:13   | Killed Keimoe the pandemonium lord
388176 | Zig:13   | Killed Hylerov the pandemonium lord
388176 | Zig:13   | Noticed Joifer the pandemonium lord
388176 | Zig:13   | Noticed Ynohyfeb the pandemonium lord
388177 | Zig:13   | Killed Inyr the pandemonium lord
388177 | Zig:13   | Killed Cixorog the pandemonium lord
388177 | Zig:13   | Noticed Yqoerch the pandemonium lord
388178 | Zig:13   | Noticed Hopt the pandemonium lord
388178 | Zig:13   | Noticed Sugiduw the pandemonium lord
388180 | Zig:13   | Killed Byx Otuwn the pandemonium lord
388180 | Zig:13   | Killed Ymackoom the pandemonium lord
388180 | Zig:13   | Killed Yvisserebb the pandemonium lord
388181 | Zig:13   | Killed Ynohyfeb the pandemonium lord
388181 | Zig:13   | Killed Hopt the pandemonium lord
388182 | Zig:13   | Killed Joifer the pandemonium lord
388182 | Zig:13   | Killed Sugiduw the pandemonium lord
388184 | Zig:13   | Killed Yqoerch the pandemonium lord
388185 | Zig:13   | Killed Xetweozu the pandemonium lord
388408 | Zig:13   | Identified the staff of Junuec {rPois rN+ Str+3 Alchemy}
388413 | Zig:13   | Identified the +0 plate armour "Ceas" {rElec Str+3}
388415 | Zig:13   | Identified the +0 plate armour of Elyvilon's Envy {Int+4
                  | Stlth+}
388417 | Zig:13   | Identified the ring "Giucs" {rElec rF- Str-5 Int+6 Dex+5}
388420 | Zig:13   | Identified the +1 pair of boots of Nice Miracles {+Inv rC+
                  | Int-4 SInv}
388435 | Zig:13   | Identified the +7 rapier of Superiority {protect, rF+ Str+2
                  | Int-5}
388708 | Zig:13   | Identified the +6 short sword of Rytyggix {venom, Str-4
                  | Dex+5}
388727 | Zig:14   | Entered Level 14 of a ziggurat
388727 | Zig:14   | Noticed a dread lich
388727 | Zig:14   | Noticed an ancient lich
388727 | Zig:14   | Noticed an ancient lich
388727 | Zig:14   | Noticed a dread lich
388727 | Zig:14   | Noticed an ancient lich
388727 | Zig:14   | Noticed a dread lich
388727 | Zig:14   | Noticed an ancient lich
388727 | Zig:14   | Noticed an ancient lich
388727 | Zig:14   | Noticed an ancient lich
388727 | Zig:14   | Noticed an ancient lich
388727 | Zig:14   | Noticed a dread lich
388727 | Zig:14   | Noticed a dread lich
388727 | Zig:14   | Noticed a dread lich
388727 | Zig:14   | Noticed a dread lich
388727 | Zig:14   | Noticed a dread lich
388727 | Zig:14   | Noticed a dread lich
388727 | Zig:14   | Noticed a dread lich
388727 | Zig:14   | Noticed an ancient lich
388727 | Zig:14   | Noticed a dread lich
388727 | Zig:14   | Noticed a dread lich
388727 | Zig:14   | Noticed an ancient lich
388728 | Zig:14   | Killed an ancient lich
388728 | Zig:14   | Killed an ancient lich
388728 | Zig:14   | Killed an ancient lich
388728 | Zig:14   | Killed a dread lich
388728 | Zig:14   | Killed a dread lich
388728 | Zig:14   | Killed a dread lich
388728 | Zig:14   | Killed a dread lich
388728 | Zig:14   | Killed a dread lich
388728 | Zig:14   | Killed a dread lich
388728 | Zig:14   | Killed a dread lich
388729 | Zig:14   | Noticed an ancient lich
388729 | Zig:14   | Noticed an ancient lich
388729 | Zig:14   | Noticed an ancient lich
388729 | Zig:14   | Noticed a dread lich
388729 | Zig:14   | Noticed a dread lich
388729 | Zig:14   | Noticed a dread lich
388730 | Zig:14   | Noticed a dread lich
388730 | Zig:14   | Noticed an ancient lich
388731 | Zig:14   | Killed an ancient lich
388731 | Zig:14   | Killed an ancient lich
388731 | Zig:14   | Killed an ancient lich
388731 | Zig:14   | Killed an ancient lich
388731 | Zig:14   | Killed a dread lich
388732 | Zig:14   | Noticed an ancient lich
388732 | Zig:14   | Noticed a dread lich
388732 | Zig:14   | Noticed an ancient lich
388732 | Zig:14   | Noticed an ancient lich
388732 | Zig:14   | Noticed a dread lich
388733 | Zig:14   | Noticed a dread lich
388733 | Zig:14   | Noticed a dread lich
388733 | Zig:14   | Noticed an ancient lich
388733 | Zig:14   | Noticed an ancient lich
388733 | Zig:14   | Noticed an ancient lich
388733 | Zig:14   | Killed an ancient lich
388734 | Zig:14   | Noticed a dread lich
388734 | Zig:14   | Noticed a dread lich
388734 | Zig:14   | Noticed an ancient lich
388734 | Zig:14   | Noticed a dread lich
388734 | Zig:14   | Noticed a dread lich
388734 | Zig:14   | Killed a dread lich
388734 | Zig:14   | Killed a dread lich
388734 | Zig:14   | Killed a dread lich
388735 | Zig:14   | Noticed an ancient lich
388735 | Zig:14   | Killed an ancient lich
388735 | Zig:14   | Killed an ancient lich
388735 | Zig:14   | Killed an ancient lich
388735 | Zig:14   | Killed a dread lich
388735 | Zig:14   | Killed an ancient lich
388735 | Zig:14   | Killed an ancient lich
388735 | Zig:14   | Killed an ancient lich
388735 | Zig:14   | Killed an ancient lich
388735 | Zig:14   | Noticed a dread lich
388735 | Zig:14   | Killed a dread lich
388736 | Zig:14   | Noticed a dread lich
388736 | Zig:14   | Killed a dread lich
388737 | Zig:14   | Noticed a dread lich
388737 | Zig:14   | Noticed an ancient lich
388737 | Zig:14   | Noticed a dread lich
388737 | Zig:14   | Noticed a dread lich
388737 | Zig:14   | Noticed an ancient lich
388737 | Zig:14   | Noticed a dread lich
388737 | Zig:14   | Noticed a dread lich
388737 | Zig:14   | Killed an ancient lich
388738 | Zig:14   | Killed a dread lich
388738 | Zig:14   | Killed a dread lich
388738 | Zig:14   | Killed a dread lich
388738 | Zig:14   | Killed a dread lich
388738 | Zig:14   | Killed a dread lich
388738 | Zig:14   | Killed a dread lich
388739 | Zig:14   | Killed a dread lich
388739 | Zig:14   | Killed an ancient lich
388740 | Zig:14   | Killed an ancient lich
388741 | Zig:14   | Killed a dread lich
388741 | Zig:14   | Killed a dread lich
388741 | Zig:14   | Killed an ancient lich
388741 | Zig:14   | Killed a dread lich
388741 | Zig:14   | Killed an ancient lich
388741 | Zig:14   | Killed an ancient lich
388741 | Zig:14   | Killed an ancient lich
388741 | Zig:14   | Killed a dread lich
388741 | Zig:14   | Killed a dread lich
388742 | Zig:14   | Noticed an ancient lich
388742 | Zig:14   | Noticed a dread lich
388742 | Zig:14   | Noticed a dread lich
388742 | Zig:14   | Noticed an ancient lich
388743 | Zig:14   | Noticed a dread lich
388743 | Zig:14   | Noticed an ancient lich
388743 | Zig:14   | Noticed an ancient lich
388743 | Zig:14   | Noticed a dread lich
388743 | Zig:14   | Noticed an ancient lich
388743 | Zig:14   | Noticed an ancient lich
388743 | Zig:14   | Noticed a dread lich
388744 | Zig:14   | Noticed a dread lich
388744 | Zig:14   | Noticed a dread lich
388744 | Zig:14   | Noticed a dread lich
388744 | Zig:14   | Noticed a dread lich
388744 | Zig:14   | Noticed an ancient lich
388744 | Zig:14   | Killed a dread lich
388745 | Zig:14   | Killed an ancient lich
388745 | Zig:14   | Killed an ancient lich
388745 | Zig:14   | Killed a dread lich
388745 | Zig:14   | Killed an ancient lich
388745 | Zig:14   | Killed an ancient lich
388745 | Zig:14   | Killed an ancient lich
388745 | Zig:14   | Killed a dread lich
388745 | Zig:14   | Killed an ancient lich
388746 | Zig:14   | Noticed a dread lich
388746 | Zig:14   | Noticed a dread lich
388746 | Zig:14   | Noticed a dread lich
388746 | Zig:14   | Noticed an ancient lich
388747 | Zig:14   | Noticed an ancient lich
388747 | Zig:14   | Noticed a dread lich
388747 | Zig:14   | Noticed an ancient lich
388747 | Zig:14   | Noticed an ancient lich
388747 | Zig:14   | Noticed an ancient lich
388747 | Zig:14   | Noticed an ancient lich
388747 | Zig:14   | Killed a dread lich
388748 | Zig:14   | Noticed an ancient lich
388748 | Zig:14   | Noticed an ancient lich
388748 | Zig:14   | Noticed a dread lich
388748 | Zig:14   | Noticed an ancient lich
388748 | Zig:14   | Noticed a dread lich
388748 | Zig:14   | Noticed a dread lich
388749 | Zig:14   | Noticed a dread lich
388749 | Zig:14   | Killed a dread lich
388749 | Zig:14   | Killed a dread lich
388749 | Zig:14   | Killed a dread lich
388749 | Zig:14   | Killed an ancient lich
388749 | Zig:14   | Killed a dread lich
388749 | Zig:14   | Killed an ancient lich
388749 | Zig:14   | Killed a dread lich
388749 | Zig:14   | Killed a dread lich
388749 | Zig:14   | Killed an ancient lich
388749 | Zig:14   | Killed an ancient lich
388749 | Zig:14   | Killed a dread lich
388749 | Zig:14   | Killed an ancient lich
388749 | Zig:14   | Killed a dread lich
388749 | Zig:14   | Killed a dread lich
388749 | Zig:14   | Killed a dread lich
388749 | Zig:14   | Killed a dread lich
388750 | Zig:14   | Noticed a dread lich
388750 | Zig:14   | Noticed an ancient lich
388751 | Zig:14   | Killed a dread lich
388751 | Zig:14   | Killed an ancient lich
388751 | Zig:14   | Killed an ancient lich
388751 | Zig:14   | Killed an ancient lich
388752 | Zig:14   | Killed a dread lich
388752 | Zig:14   | Killed a dread lich
388752 | Zig:14   | Killed an ancient lich
388752 | Zig:14   | Killed a dread lich
388752 | Zig:14   | Killed a dread lich
388752 | Zig:14   | Killed a dread lich
388753 | Zig:14   | Killed a dread lich
388754 | Zig:14   | Killed an ancient lich
388757 | Zig:14   | Killed an ancient lich
388760 | Zig:14   | Killed an ancient lich
388763 | Zig:14   | Identified the +8 shortbow "Ruzxiaju" {flame, Str-5 Dex+3
                  | SInv}
388770 | Zig:15   | Entered Level 15 of a ziggurat
388770 | Zig:15   | Noticed a juggernaut
388770 | Zig:15   | Noticed a juggernaut
388770 | Zig:15   | Noticed a juggernaut
388770 | Zig:15   | Noticed a juggernaut
388770 | Zig:15   | Noticed a juggernaut
388770 | Zig:15   | Noticed a juggernaut
388770 | Zig:15   | Noticed a juggernaut
388770 | Zig:15   | Noticed a juggernaut
388770 | Zig:15   | Noticed a juggernaut
388770 | Zig:15   | Noticed a juggernaut
388770 | Zig:15   | Noticed a juggernaut
388771 | Zig:15   | Killed a juggernaut
388771 | Zig:15   | Killed a juggernaut
388771 | Zig:15   | Killed a juggernaut
388771 | Zig:15   | Killed a juggernaut
388771 | Zig:15   | Killed a juggernaut
388771 | Zig:15   | Killed a juggernaut
388771 | Zig:15   | Killed a juggernaut
388771 | Zig:15   | Killed a juggernaut
388772 | Zig:15   | Noticed a juggernaut
388772 | Zig:15   | Noticed a juggernaut
388773 | Zig:15   | Noticed a juggernaut
388773 | Zig:15   | Noticed a juggernaut
388773 | Zig:15   | Noticed a juggernaut
388774 | Zig:15   | Noticed a juggernaut
388774 | Zig:15   | Noticed a juggernaut
388776 | Zig:15   | Killed a juggernaut
388776 | Zig:15   | Killed a juggernaut
388776 | Zig:15   | Killed a juggernaut
388776 | Zig:15   | Killed a juggernaut
388776 | Zig:15   | Killed a juggernaut
388777 | Zig:15   | Killed a juggernaut
388778 | Zig:15   | Noticed a juggernaut
388778 | Zig:15   | Noticed a juggernaut
388779 | Zig:15   | Killed a juggernaut
388779 | Zig:15   | Killed a juggernaut
388779 | Zig:15   | Killed a juggernaut
388779 | Zig:15   | Killed a juggernaut
388780 | Zig:15   | Noticed a juggernaut
388780 | Zig:15   | Noticed a juggernaut
388780 | Zig:15   | Noticed a juggernaut
388781 | Zig:15   | Killed a juggernaut
388782 | Zig:15   | Noticed a juggernaut
388782 | Zig:15   | Noticed a juggernaut
388782 | Zig:15   | Noticed a juggernaut
388783 | Zig:15   | Noticed a juggernaut
388783 | Zig:15   | Killed a juggernaut
388783 | Zig:15   | Killed a juggernaut
388784 | Zig:15   | Killed a juggernaut
388786 | Zig:15   | Noticed a juggernaut
388787 | Zig:15   | Noticed a juggernaut
388787 | Zig:15   | Killed a juggernaut
388787 | Zig:15   | Killed a juggernaut
388787 | Zig:15   | Killed a juggernaut
388787 | Zig:15   | Killed a juggernaut
388788 | Zig:15   | Killed a juggernaut
388788 | Zig:15   | Killed a juggernaut
388789 | Zig:15   | Noticed a juggernaut
388789 | Zig:15   | Noticed a juggernaut
388789 | Zig:15   | Noticed a juggernaut
388790 | Zig:15   | Noticed a juggernaut
388791 | Zig:15   | Killed a juggernaut
388791 | Zig:15   | Killed a juggernaut
388791 | Zig:15   | Killed a juggernaut
388794 | Zig:15   | Noticed a juggernaut
388796 | Zig:15   | Killed a juggernaut
388799 | Zig:15   | Identified the +9 hand axe "Fesapaecuu" {antimagic, Fly
                  | Str-4 Int+2}
388799 | Zig:15   | Killed a juggernaut
388805 | Zig:15   | Identified the +3 ring mail of Light {Will+ MP+9}
388812 | Zig:16   | Entered Level 16 of a ziggurat
388812 | Zig:16   | Noticed a juggernaut
388812 | Zig:16   | Noticed a juggernaut
388812 | Zig:16   | Noticed a juggernaut
388812 | Zig:16   | Noticed a juggernaut
388812 | Zig:16   | Noticed a juggernaut
388812 | Zig:16   | Noticed a juggernaut
388812 | Zig:16   | Noticed a juggernaut
388812 | Zig:16   | Noticed a juggernaut
388812 | Zig:16   | Noticed a juggernaut
388812 | Zig:16   | Noticed a juggernaut
388812 | Zig:16   | Noticed a juggernaut
388812 | Zig:16   | Noticed a juggernaut
388812 | Zig:16   | Noticed a juggernaut
388813 | Zig:16   | Killed a juggernaut
388813 | Zig:16   | Killed a juggernaut
388813 | Zig:16   | Killed a juggernaut
388813 | Zig:16   | Killed a juggernaut
388813 | Zig:16   | Killed a juggernaut
388813 | Zig:16   | Killed a juggernaut
388813 | Zig:16   | Killed a juggernaut
388813 | Zig:16   | Killed a juggernaut
388813 | Zig:16   | Killed a juggernaut
388814 | Zig:16   | Noticed a juggernaut
388814 | Zig:16   | Noticed a juggernaut
388814 | Zig:16   | Noticed a juggernaut
388815 | Zig:16   | Noticed a juggernaut
388815 | Zig:16   | Noticed a juggernaut
388815 | Zig:16   | Noticed a juggernaut
388815 | Zig:16   | Noticed a juggernaut
388815 | Zig:16   | Noticed a juggernaut
388815 | Zig:16   | Noticed a juggernaut
388815 | Zig:16   | Noticed a juggernaut
388815 | Zig:16   | Killed a juggernaut
388816 | Zig:16   | Killed a juggernaut
388816 | Zig:16   | Killed a juggernaut
388816 | Zig:16   | Killed a juggernaut
388816 | Zig:16   | Killed a juggernaut
388816 | Zig:16   | Killed a juggernaut
388816 | Zig:16   | Killed a juggernaut
388816 | Zig:16   | Killed a juggernaut
388816 | Zig:16   | Killed a juggernaut
388816 | Zig:16   | Killed a juggernaut
388817 | Zig:16   | Noticed a juggernaut
388817 | Zig:16   | Noticed a juggernaut
388817 | Zig:16   | Noticed a juggernaut
388817 | Zig:16   | Noticed a juggernaut
388818 | Zig:16   | Noticed a juggernaut
388818 | Zig:16   | Noticed a juggernaut
388818 | Zig:16   | Noticed a juggernaut
388818 | Zig:16   | Noticed a juggernaut
388818 | Zig:16   | Noticed a juggernaut
388818 | Zig:16   | Noticed a juggernaut
388819 | Zig:16   | Noticed a juggernaut
388819 | Zig:16   | Noticed a juggernaut
388819 | Zig:16   | Noticed a juggernaut
388819 | Zig:16   | Noticed a juggernaut
388819 | Zig:16   | Noticed a juggernaut
388819 | Zig:16   | Killed a juggernaut
388819 | Zig:16   | Killed a juggernaut
388819 | Zig:16   | Killed a juggernaut
388819 | Zig:16   | Killed a juggernaut
388819 | Zig:16   | Killed a juggernaut
388819 | Zig:16   | Killed a juggernaut
388819 | Zig:16   | Killed a juggernaut
388819 | Zig:16   | Killed a juggernaut
388819 | Zig:16   | Killed a juggernaut
388819 | Zig:16   | Killed a juggernaut
388819 | Zig:16   | Killed a juggernaut
388819 | Zig:16   | Killed a juggernaut
388820 | Zig:16   | Noticed a juggernaut
388820 | Zig:16   | Noticed a juggernaut
388820 | Zig:16   | Noticed a juggernaut
388820 | Zig:16   | Killed a juggernaut
388821 | Zig:16   | Noticed a juggernaut
388822 | Zig:16   | Killed a juggernaut
388822 | Zig:16   | Killed a juggernaut
388822 | Zig:16   | Killed a juggernaut
388822 | Zig:16   | Killed a juggernaut
388822 | Zig:16   | Killed a juggernaut
388822 | Zig:16   | Killed a juggernaut
388822 | Zig:16   | Killed a juggernaut
388823 | Zig:16   | Noticed a juggernaut
388824 | Zig:16   | Noticed a juggernaut
388824 | Zig:16   | Noticed a juggernaut
388824 | Zig:16   | Noticed a juggernaut
388824 | Zig:16   | Noticed a juggernaut
388825 | Zig:16   | Killed a juggernaut
388826 | Zig:16   | Killed a juggernaut
388826 | Zig:16   | Killed a juggernaut
388826 | Zig:16   | Killed a juggernaut
388826 | Zig:16   | Killed a juggernaut
388826 | Zig:16   | Killed a juggernaut
388826 | Zig:16   | Killed a juggernaut
388828 | Zig:16   | Noticed a juggernaut
388828 | Zig:16   | Noticed a juggernaut
388830 | Zig:16   | Killed a juggernaut
388830 | Zig:16   | Noticed a juggernaut
388830 | Zig:16   | Noticed a juggernaut
388831 | Zig:16   | Noticed a juggernaut
388832 | Zig:16   | Killed a juggernaut
388833 | Zig:16   | Killed a juggernaut
388834 | Zig:16   | Killed a juggernaut
388834 | Zig:16   | Noticed a juggernaut
388834 | Zig:16   | Killed a juggernaut
388835 | Zig:16   | Noticed a juggernaut
388836 | Zig:16   | Noticed a juggernaut
388836 | Zig:16   | Noticed a juggernaut
388836 | Zig:16   | Noticed a juggernaut
388836 | Zig:16   | Noticed a juggernaut
388837 | Zig:16   | Killed a juggernaut
388837 | Zig:16   | Killed a juggernaut
388838 | Zig:16   | Noticed a juggernaut
388838 | Zig:16   | Killed a juggernaut
388839 | Zig:16   | Noticed a juggernaut
388839 | Zig:16   | Killed a juggernaut
388840 | Zig:16   | Killed a juggernaut
388840 | Zig:16   | Killed a juggernaut
388843 | Zig:16   | Killed a juggernaut
388843 | Zig:16   | Killed a juggernaut
388858 | Zig:16   | Killed a juggernaut
389265 | Zig:16   | Identified the +3 great sword "Xegux" {protect, rF- Str+6
                  | Int+4}
389341 | Zig:16   | Identified the staff "Goblinslayer" {rF+ Str+3 Hexes Fire
                  | Ice Earth}
389343 | Zig:16   | Identified the ring of Activism {Fire Will- Int+6}
389361 | Zig:16   | Identified the +5 hand axe of Inou {chaos, Str+3}
389445 | Zig:16   | Identified the +8 whip of the Nine Heavens {elec, +Blink
                  | rElec Will+ MP+9}
389449 | Zig:16   | Identified the +6 great sword "Xuid" {flame, Str+3 Dex+3}
389481 | Zig:16   | Identified the +6 mace of Kugirem {vamp, rF+}
389495 | Zig:17   | Entered Level 17 of a ziggurat
389495 | Zig:17   | Noticed a royal mummy
389495 | Zig:17   | Noticed a royal mummy
389495 | Zig:17   | Noticed a royal mummy
389495 | Zig:17   | Noticed a royal mummy
389495 | Zig:17   | Noticed a royal mummy
389495 | Zig:17   | Noticed a royal mummy
389495 | Zig:17   | Noticed a royal mummy
389495 | Zig:17   | Noticed a royal mummy
389495 | Zig:17   | Noticed a royal mummy
389495 | Zig:17   | Noticed a royal mummy
389495 | Zig:17   | Noticed a royal mummy
389495 | Zig:17   | Noticed a royal mummy
389496 | Zig:17   | Killed a royal mummy
389496 | Zig:17   | Killed a royal mummy
389496 | Zig:17   | Killed a royal mummy
389496 | Zig:17   | Killed a royal mummy
389496 | Zig:17   | Killed a royal mummy
389496 | Zig:17   | Killed a royal mummy
389496 | Zig:17   | Killed a royal mummy
389496 | Zig:17   | Killed a royal mummy
389496 | Zig:17   | Killed a royal mummy
389497 | Zig:17   | Noticed a royal mummy
389497 | Zig:17   | Noticed a royal mummy
389498 | Zig:17   | Noticed a royal mummy
389498 | Zig:17   | Noticed a royal mummy
389498 | Zig:17   | Noticed a royal mummy
389498 | Zig:17   | Noticed a royal mummy
389498 | Zig:17   | Noticed a royal mummy
389499 | Zig:17   | Noticed a royal mummy
389500 | Zig:17   | Killed a royal mummy
389500 | Zig:17   | Killed a royal mummy
389500 | Zig:17   | Killed a royal mummy
389500 | Zig:17   | Killed a royal mummy
389500 | Zig:17   | Killed a royal mummy
389500 | Zig:17   | Killed a royal mummy
389500 | Zig:17   | Killed a royal mummy
389500 | Zig:17   | Killed a royal mummy
389500 | Zig:17   | Noticed a royal mummy
389501 | Zig:17   | Noticed a royal mummy
389502 | Zig:17   | Noticed a royal mummy
389502 | Zig:17   | Noticed a royal mummy
389502 | Zig:17   | Noticed a royal mummy
389502 | Zig:17   | Noticed a royal mummy
389502 | Zig:17   | Noticed a royal mummy
389503 | Zig:17   | Killed a royal mummy
389503 | Zig:17   | Killed a royal mummy
389503 | Zig:17   | Killed a royal mummy
389503 | Zig:17   | Killed a royal mummy
389504 | Zig:17   | Killed a royal mummy
389504 | Zig:17   | Killed a royal mummy
389504 | Zig:17   | Killed a royal mummy
389504 | Zig:17   | Noticed a royal mummy
389505 | Zig:17   | Noticed a royal mummy
389506 | Zig:17   | Noticed a royal mummy
389506 | Zig:17   | Noticed a royal mummy
389507 | Zig:17   | Noticed a royal mummy
389508 | Zig:17   | Killed a royal mummy
389508 | Zig:17   | Killed a royal mummy
389508 | Zig:17   | Killed a royal mummy
389508 | Zig:17   | Noticed a royal mummy
389509 | Zig:17   | Noticed a royal mummy
389509 | Zig:17   | Noticed a royal mummy
389509 | Zig:17   | Noticed a royal mummy
389510 | Zig:17   | Noticed a royal mummy
389511 | Zig:17   | Killed a royal mummy
389511 | Zig:17   | Killed a royal mummy
389511 | Zig:17   | Killed a royal mummy
389511 | Zig:17   | Killed a royal mummy
389511 | Zig:17   | Killed a royal mummy
389511 | Zig:17   | Killed a royal mummy
389511 | Zig:17   | Killed a royal mummy
389511 | Zig:17   | Killed a royal mummy
389511 | Zig:17   | Killed a royal mummy
389511 | Zig:17   | Noticed a royal mummy
389514 | Zig:17   | Noticed a royal mummy
389514 | Zig:17   | Noticed a royal mummy
389515 | Zig:17   | Noticed a royal mummy
389515 | Zig:17   | Noticed a royal mummy
389516 | Zig:17   | Killed a royal mummy
389516 | Zig:17   | Killed a royal mummy
389516 | Zig:17   | Noticed a royal mummy
389517 | Zig:17   | Killed a royal mummy
389517 | Zig:17   | Killed a royal mummy
389518 | Zig:17   | Killed a royal mummy
389520 | Zig:17   | Noticed a royal mummy
389521 | Zig:17   | Killed a royal mummy
389522 | Zig:17   | Killed a royal mummy
389522 | Zig:17   | Killed a royal mummy
389523 | Zig:17   | Noticed a royal mummy
389524 | Zig:17   | Noticed a royal mummy
389532 | Zig:17   | Killed a royal mummy
389533 | Zig:17   | Killed a royal mummy
389593 | Zig:17   | Identified the ring "Bywupuys" {rElec Will+ Int+6 Dex+4}
389599 | Zig:17   | Identified the +4 ring mail of Pragmatism {Harm rElec
                  | Stlth+}
389600 | Zig:17   | Identified the +5 scale mail of the Carpenter {Harm rN++
                  | Str+5}
389609 | Zig:17   | Identified the ring of Gooto {rElec rCorr}
389614 | Zig:17   | Identified the staff of Destruction {rCorr Str+7 Conj Tloc}
389621 | Zig:17   | Identified the +5 great sword of the Gnat {speed, rElec
                  | rC+}
389625 | Zig:17   | Identified the +3 sling "Zoipeu" {drain, MP+9 Str+3 Int+3
                  | Dex+2}
389649 | Zig:17   | Identified the +6 short sword of the Dwarven Hall {freeze,
                  | *Rage Int+2 Dex+2}
389651 | Zig:17   | Identified the +3 dire flail of Taco Doc {heavy, Will+}
389654 | Zig:17   | Identified the +10 sling "Ohunoc" {flame, *Corrode rC++
                  | SInv Stlth+}
390142 | Zig:17   | Identified the +7 bardiche of Nuisux {vamp, Int+5}
390161 | Zig:18   | Entered Level 18 of a ziggurat
390161 | Zig:18   | Noticed a juggernaut
390161 | Zig:18   | Noticed a juggernaut
390161 | Zig:18   | Noticed a juggernaut
390161 | Zig:18   | Noticed a juggernaut
390161 | Zig:18   | Noticed a juggernaut
390161 | Zig:18   | Noticed a juggernaut
390161 | Zig:18   | Noticed a juggernaut
390161 | Zig:18   | Noticed a juggernaut
390161 | Zig:18   | Noticed a juggernaut
390161 | Zig:18   | Noticed a juggernaut
390161 | Zig:18   | Noticed a juggernaut
390162 | Zig:18   | Killed a juggernaut
390162 | Zig:18   | Killed a juggernaut
390162 | Zig:18   | Killed a juggernaut
390162 | Zig:18   | Killed a juggernaut
390162 | Zig:18   | Killed a juggernaut
390162 | Zig:18   | Killed a juggernaut
390162 | Zig:18   | Killed a juggernaut
390162 | Zig:18   | Killed a juggernaut
390162 | Zig:18   | Killed a juggernaut
390162 | Zig:18   | Killed a juggernaut
390164 | Zig:18   | Noticed a juggernaut
390165 | Zig:18   | Noticed a juggernaut
390165 | Zig:18   | Noticed a juggernaut
390165 | Zig:18   | Noticed a juggernaut
390166 | Zig:18   | Noticed a juggernaut
390166 | Zig:18   | Noticed a juggernaut
390166 | Zig:18   | Noticed a juggernaut
390167 | Zig:18   | Killed a juggernaut
390167 | Zig:18   | Killed a juggernaut
390168 | Zig:18   | Noticed a juggernaut
390168 | Zig:18   | Noticed a juggernaut
390168 | Zig:18   | Noticed a juggernaut
390168 | Zig:18   | Killed a juggernaut
390168 | Zig:18   | Killed a juggernaut
390169 | Zig:18   | Noticed a juggernaut
390169 | Zig:18   | Noticed a juggernaut
390169 | Zig:18   | Noticed a juggernaut
390169 | Zig:18   | Noticed a juggernaut
390169 | Zig:18   | Noticed a juggernaut
390170 | Zig:18   | Noticed a juggernaut
390171 | Zig:18   | Noticed a juggernaut
390171 | Zig:18   | Noticed a juggernaut
390171 | Zig:18   | Noticed a juggernaut
390171 | Zig:18   | Noticed a juggernaut
390172 | Zig:18   | Killed a juggernaut
390172 | Zig:18   | Killed a juggernaut
390172 | Zig:18   | Killed a juggernaut
390172 | Zig:18   | Killed a juggernaut
390172 | Zig:18   | Killed a juggernaut
390172 | Zig:18   | Killed a juggernaut
390172 | Zig:18   | Killed a juggernaut
390172 | Zig:18   | Killed a juggernaut
390173 | Zig:18   | Noticed a juggernaut
390176 | Zig:18   | Killed a juggernaut
390176 | Zig:18   | Killed a juggernaut
390176 | Zig:18   | Killed a juggernaut
390176 | Zig:18   | Killed a juggernaut
390176 | Zig:18   | Killed a juggernaut
390176 | Zig:18   | Killed a juggernaut
390176 | Zig:18   | Killed a juggernaut
390176 | Zig:18   | Killed a juggernaut
390176 | Zig:18   | Killed a juggernaut
390177 | Zig:18   | Noticed a juggernaut
390178 | Zig:18   | Noticed a juggernaut
390179 | Zig:18   | Killed a juggernaut
390179 | Zig:18   | Killed a juggernaut
390180 | Zig:18   | Noticed a juggernaut
390180 | Zig:18   | Noticed a juggernaut
390182 | Zig:18   | Killed a juggernaut
390182 | Zig:18   | Killed a juggernaut
390183 | Zig:18   | Noticed a juggernaut
390184 | Zig:18   | Noticed a juggernaut
390184 | Zig:18   | Killed a juggernaut
390185 | Zig:18   | Killed a juggernaut
390186 | Zig:18   | Killed a juggernaut
390205 | Zig:19   | Entered Level 19 of a ziggurat
390302 | Zig:19   | Identified the ring "Vumexy" {rElec rF+ Will- Str-5 Dex+9}
390330 | Zig:19   | Identified the +1 mace "Daisun" {flame, Dex+5}
390337 | Zig:19   | Identified the -1 helmet of the Earth {Int+4}
390341 | Zig:19   | Identified the +6 mace of Fafav {antimagic, Will- Int+3
                  | Dex+3}
390897 | Zig:19   | Identified the +5 hand axe of Lyomaof {heavy, *Rage rN+
                  | Str+4}
390917 | Zig:19   | Identified the ring of Elawuroikh {Will+ Int+6 Stlth+}
390919 | Zig:19   | Identified the +0 plate armour "Damnable Contraption" {rC++
                  | Will-}
390931 | Zig:19   | Identified the +0 buckler of Ankufol {rElec rPois rF++
                  | Str-4}
390954 | Zig:20   | Entered Level 20 of a ziggurat
390988 | Zig:20   | Identified the +2 scale mail of Gabeoses {Str+7}
390989 | Zig:20   | Identified the ring of Prescription {rF+ rCorr Slay+4}
390992 | Zig:20   | Identified the +0 scale mail "Luit Pue" {+Blink +Inv Str+2
                  | Int+2 SInv}
390993 | Zig:20   | Identified the +7 spear "Ipreklul" {flame, rC+ Int+3}
390994 | Zig:20   | Identified the +1 trident of the Spider Nest {heavy, ^Drain
                  | rElec rC+ Str+3}
390998 | Zig:21   | Entered Level 21 of a ziggurat
391098 | Zig:21   | Identified the staff of the Harvest {Fly Conj}
391108 | Zig:21   | Identified the amulet of the Writhing Gods {RegenMP
                  | ^Fragile Dex+5}
391112 | Zig:21   | Identified the ring "Jutinuimn" {Fire Int+4}
391122 | Zig:21   | Identified the +1 sling of Rotation {drain, ^Contam rC+
                  | Dex+6 Stlth+}
391124 | Zig:21   | Identified the +1 troll leather armour "Zest" {Regen+
                  | Str+2}
391136 | Zig:21   | Identified the +0 ring mail of Toishren {^Drain rElec
                  | Str+5}
391139 | Zig:21   | Identified the ring "Iris" {rF+ Will+ Str+6 Slay+5}
391141 | Zig:21   | Identified the +1 rapier of Mana {drain, rF- Str+5}
391144 | Zig:21   | Identified the +5 ring mail "Gusyb" {*Corrode rF+ Str+3}
391157 | Zig:21   | Identified the +5 arbalest of Propriety {elec, rF- Int+8}
391161 | Zig:21   | Identified the +0 chain mail of Meefesch {Dex+4}
391184 | Zig:21   | Identified the staff of Subjectivity {rElec rPois rF+ Dex+3
                  | Alchemy}
391242 | Zig:21   | Identified the amulet "Ypaish" {Faith rElec rN+ rCorr
                  | Dex+2}
391245 | Zig:21   | Identified the +6 plate armour of the Dungeon {rPois rC+
                  | Will+++ Stlth-}
391246 | Zig:21   | Identified the +6 scimitar "Iqeat" {vamp, Int+3}
391254 | Zig:21   | Identified the amulet of Cuich {Acrobat rPois rC- SInv}
391993 | Zig:22   | Entered Level 22 of a ziggurat
392728 | Zig:22   | Identified the ring "Inueg" {rPois rF- Dex+5 Slay+4}
392732 | Zig:22   | Identified the ring of Brilliance {rElec rF++ rN+ Will-
                  | Str-4}
392748 | Zig:22   | Identified the ring of Hezxob {rPois Str+4}
392750 | Zig:22   | Identified the +1 sling of the Harvest {freeze, rF+ rN++}
392753 | Zig:22   | Identified the staff "Lejothom" {rF+ Str-4 Stlth+ Conj
                  | Fire}
392758 | Zig:22   | Identified the +0 plate armour of the Bulwark {Regen+
                  | Int+2}
392771 | Zig:22   | Identified the staff "Ikitor" {Fly Summ Earth}
392772 | Zig:22   | Identified the orb "Cuusoshu" {*Rage, rElec rPois Str-5
                  | SInv}
392858 | Zig:23   | Entered Level 23 of a ziggurat
392858 | Zig:23   | Noticed a juggernaut
392858 | Zig:23   | Noticed a juggernaut
392858 | Zig:23   | Noticed a juggernaut
392858 | Zig:23   | Noticed a juggernaut
392858 | Zig:23   | Noticed a juggernaut
392858 | Zig:23   | Noticed a juggernaut
392858 | Zig:23   | Noticed a juggernaut
392858 | Zig:23   | Noticed a juggernaut
392858 | Zig:23   | Noticed a juggernaut
392858 | Zig:23   | Noticed a juggernaut
392858 | Zig:23   | Noticed a juggernaut
392858 | Zig:23   | Noticed a juggernaut
392858 | Zig:23   | Noticed a juggernaut
392858 | Zig:23   | Noticed a juggernaut
392858 | Zig:23   | Noticed a juggernaut
392859 | Zig:23   | Killed a juggernaut
392859 | Zig:23   | Killed a juggernaut
392859 | Zig:23   | Killed a juggernaut
392859 | Zig:23   | Killed a juggernaut
392859 | Zig:23   | Killed a juggernaut
392859 | Zig:23   | Killed a juggernaut
392859 | Zig:23   | Killed a juggernaut
392859 | Zig:23   | Killed a juggernaut
392859 | Zig:23   | Killed a juggernaut
392859 | Zig:23   | Killed a juggernaut
392859 | Zig:23   | Killed a juggernaut
392859 | Zig:23   | Killed a juggernaut
392859 | Zig:23   | Killed a juggernaut
392860 | Zig:23   | Killed a juggernaut
392860 | Zig:23   | Killed a juggernaut
392861 | Zig:23   | Noticed a juggernaut
392861 | Zig:23   | Noticed a juggernaut
392861 | Zig:23   | Noticed a juggernaut
392862 | Zig:23   | Noticed a juggernaut
392862 | Zig:23   | Noticed a juggernaut
392863 | Zig:23   | Killed a juggernaut
392863 | Zig:23   | Killed a juggernaut
392863 | Zig:23   | Killed a juggernaut
392864 | Zig:23   | Noticed a juggernaut
392864 | Zig:23   | Noticed a juggernaut
392864 | Zig:23   | Noticed a juggernaut
392865 | Zig:23   | Noticed a juggernaut
392865 | Zig:23   | Noticed a juggernaut
392865 | Zig:23   | Noticed a juggernaut
392865 | Zig:23   | Killed a juggernaut
392866 | Zig:23   | Noticed a juggernaut
392866 | Zig:23   | Noticed a juggernaut
392866 | Zig:23   | Killed a juggernaut
392867 | Zig:23   | Killed a juggernaut
392867 | Zig:23   | Killed a juggernaut
392867 | Zig:23   | Killed a juggernaut
392867 | Zig:23   | Killed a juggernaut
392867 | Zig:23   | Killed a juggernaut
392867 | Zig:23   | Killed a juggernaut
392867 | Zig:23   | Noticed a juggernaut
392868 | Zig:23   | Noticed a juggernaut
392868 | Zig:23   | Noticed a juggernaut
392868 | Zig:23   | Killed a juggernaut
392869 | Zig:23   | Noticed a juggernaut
392869 | Zig:23   | Noticed a juggernaut
392869 | Zig:23   | Noticed a juggernaut
392869 | Zig:23   | Noticed a juggernaut
392869 | Zig:23   | Noticed a juggernaut
392870 | Zig:23   | Noticed a juggernaut
392870 | Zig:23   | Noticed a juggernaut
392871 | Zig:23   | Noticed a juggernaut
392871 | Zig:23   | Killed a juggernaut
392871 | Zig:23   | Killed a juggernaut
392871 | Zig:23   | Killed a juggernaut
392871 | Zig:23   | Killed a juggernaut
392871 | Zig:23   | Killed a juggernaut
392871 | Zig:23   | Killed a juggernaut
392871 | Zig:23   | Killed a juggernaut
392871 | Zig:23   | Killed a juggernaut
392871 | Zig:23   | Killed a juggernaut
392871 | Zig:23   | Killed a juggernaut
392872 | Zig:23   | Noticed a juggernaut
392872 | Zig:23   | Noticed a juggernaut
392872 | Zig:23   | Noticed a juggernaut
392872 | Zig:23   | Noticed a juggernaut
392872 | Zig:23   | Killed a juggernaut
392873 | Zig:23   | Noticed a juggernaut
392873 | Zig:23   | Noticed a juggernaut
392873 | Zig:23   | Noticed a juggernaut
392874 | Zig:23   | Noticed a juggernaut
392874 | Zig:23   | Noticed a juggernaut
392874 | Zig:23   | Noticed a juggernaut
392874 | Zig:23   | Noticed a juggernaut
392874 | Zig:23   | Noticed a juggernaut
392874 | Zig:23   | Noticed a juggernaut
392874 | Zig:23   | Noticed a juggernaut
392874 | Zig:23   | Noticed a juggernaut
392875 | Zig:23   | Noticed a juggernaut
392875 | Zig:23   | Noticed a juggernaut
392876 | Zig:23   | Killed a juggernaut
392876 | Zig:23   | Killed a juggernaut
392876 | Zig:23   | Killed a juggernaut
392876 | Zig:23   | Killed a juggernaut
392876 | Zig:23   | Killed a juggernaut
392876 | Zig:23   | Killed a juggernaut
392876 | Zig:23   | Killed a juggernaut
392876 | Zig:23   | Killed a juggernaut
392876 | Zig:23   | Killed a juggernaut
392876 | Zig:23   | Killed a juggernaut
392876 | Zig:23   | Killed a juggernaut
392876 | Zig:23   | Killed a juggernaut
392876 | Zig:23   | Killed a juggernaut
392876 | Zig:23   | Noticed a juggernaut
392877 | Zig:23   | Noticed a juggernaut
392877 | Zig:23   | Killed a juggernaut
392878 | Zig:23   | Noticed a juggernaut
392878 | Zig:23   | Noticed a juggernaut
392878 | Zig:23   | Noticed a juggernaut
392878 | Zig:23   | Noticed a juggernaut
392878 | Zig:23   | Noticed a juggernaut
392878 | Zig:23   | Noticed a juggernaut
392878 | Zig:23   | Noticed a juggernaut
392879 | Zig:23   | Noticed a juggernaut
392879 | Zig:23   | Noticed a juggernaut
392879 | Zig:23   | Noticed a juggernaut
392879 | Zig:23   | Noticed a juggernaut
392880 | Zig:23   | Noticed a juggernaut
392880 | Zig:23   | Noticed a juggernaut
392880 | Zig:23   | Killed a juggernaut
392881 | Zig:23   | Killed a juggernaut
392881 | Zig:23   | Killed a juggernaut
392881 | Zig:23   | Killed a juggernaut
392881 | Zig:23   | Killed a juggernaut
392881 | Zig:23   | Killed a juggernaut
392881 | Zig:23   | Killed a juggernaut
392881 | Zig:23   | Killed a juggernaut
392881 | Zig:23   | Killed a juggernaut
392881 | Zig:23   | Killed a juggernaut
392881 | Zig:23   | Killed a juggernaut
392881 | Zig:23   | Killed a juggernaut
392881 | Zig:23   | Killed a juggernaut
392882 | Zig:23   | Noticed a juggernaut
392882 | Zig:23   | Noticed a juggernaut
392882 | Zig:23   | Noticed a juggernaut
392882 | Zig:23   | Killed a juggernaut
392882 | Zig:23   | Killed a juggernaut
392883 | Zig:23   | Noticed a juggernaut
392883 | Zig:23   | Noticed a juggernaut
392883 | Zig:23   | Noticed a juggernaut
392883 | Zig:23   | Noticed a juggernaut
392883 | Zig:23   | Noticed a juggernaut
392883 | Zig:23   | Noticed a juggernaut
392884 | Zig:23   | Noticed a juggernaut
392885 | Zig:23   | Noticed a juggernaut
392885 | Zig:23   | Noticed a juggernaut
392885 | Zig:23   | Noticed a juggernaut
392885 | Zig:23   | Noticed a juggernaut
392886 | Zig:23   | Noticed a juggernaut
392887 | Zig:23   | Killed a juggernaut
392887 | Zig:23   | Killed a juggernaut
392887 | Zig:23   | Killed a juggernaut
392887 | Zig:23   | Killed a juggernaut
392887 | Zig:23   | Killed a juggernaut
392887 | Zig:23   | Killed a juggernaut
392887 | Zig:23   | Killed a juggernaut
392887 | Zig:23   | Killed a juggernaut
392887 | Zig:23   | Killed a juggernaut
392887 | Zig:23   | Killed a juggernaut
392887 | Zig:23   | Killed a juggernaut
392887 | Zig:23   | Killed a juggernaut
392887 | Zig:23   | Killed a juggernaut
392887 | Zig:23   | Killed a juggernaut
392887 | Zig:23   | Killed a juggernaut
392887 | Zig:23   | Killed a juggernaut
392888 | Zig:23   | Noticed a juggernaut
392888 | Zig:23   | Noticed a juggernaut
392888 | Zig:23   | Noticed a juggernaut
392888 | Zig:23   | Noticed a juggernaut
392888 | Zig:23   | Killed a juggernaut
392889 | Zig:23   | Noticed a juggernaut
392890 | Zig:23   | Killed a juggernaut
392891 | Zig:23   | Killed a juggernaut
392891 | Zig:23   | Killed a juggernaut
392891 | Zig:23   | Killed a juggernaut
392891 | Zig:23   | Killed a juggernaut
392891 | Zig:23   | Killed a juggernaut
392891 | Zig:23   | Noticed a juggernaut
392892 | Zig:23   | Noticed a juggernaut
392893 | Zig:23   | Identified the +9 rapier of the Lesser Evil {flame,
                  | *Corrode rElec rC+++ Str-2}
392893 | Zig:23   | Noticed a juggernaut
392896 | Zig:23   | Killed a juggernaut
392896 | Zig:23   | Killed a juggernaut
392896 | Zig:23   | Killed a juggernaut
392899 | Zig:23   | Identified the +0 ring mail of Hairiness {+Blink rPois
                  | Str+3 Stlth-}
392900 | Zig:23   | Identified the -2 pair of boots "Xaogass" {rN+ Will+ rCorr}
392903 | Zig:23   | Identified the +2 flail of Ocrawnett {freeze, rN+ Will-
                  | Str+7 Int-5}
392912 | Zig:24   | Entered Level 24 of a ziggurat
393776 | Zig:24   | Identified the +1 short sword of Locus Delicti {freeze,
                  | Str+4}
393792 | Zig:24   | Identified the +4 demon trident "Megimapu" {freeze, rPois}
393794 | Zig:24   | Identified the +8 long sword "Newtbane" {venom, rElec rF+}
393798 | Zig:24   | Identified the +5 great mace "Giantslayer" {protect, rC+}
393820 | Zig:24   | Identified the +4 scale mail of Recklessness {rF- Int+7
                  | SInv}
393850 | Zig:24   | Identified the ring of Zeytweze {Wiz rN+ Will++ Dex-3}
393897 | Zig:24   | Identified the ring of Jaufrigiof {Fire ^Drain rN+ Will+
                  | rCorr}
393900 | Zig:24   | Identified the ring of Zofap {*Corrode +Blink Fly Str+2
                  | Dex+6}
393909 | Zig:24   | Identified the amulet of Xyrovugu {Faith Dex+3 Slay+5
                  | Stlth+}
393924 | Zig:24   | Identified the +8 quarterstaff of Deformation {elec, Dex+6}
393927 | Zig:24   | Identified the +5 shortbow of Guile {antimagic, Str-2 Dex+6
                  | SInv Stlth+}
393932 | Zig:24   | Identified the +9 flail "Bahaut" {drain, Will+ rCorr Int+2}
393933 | Zig:24   | Identified the +0 leather armour "Igrug" {Rampage}
394030 | Zig:25   | Entered Level 25 of a ziggurat
394177 | Zig:25   | Identified the +11 trident of Ykoiry {flame, rF+ Str+4
                  | Int+5 Dex-4}
394186 | Zig:25   | Identified the +1 ring mail of the Apricot {Str+6 SInv}
394191 | Zig:25   | Identified the +3 hand axe "Dyijauph" {venom, rF+ Will++
                  | rCorr Int-2}
394195 | Zig:25   | Identified the ring of Nyrybus {rPois Str+5 Int+3 Dex-2}
394200 | Zig:25   | Identified the +5 battleaxe "Cecram" {holy, Str+2}
394204 | Zig:25   | Identified the +8 quarterstaff "Hydraslayer" {pain, rPois
                  | rCorr MP-9 SInv}
394211 | Zig:25   | Identified the staff "Daodoaw" {rC+ rN++ rCorr Int-2 Ice
                  | Alchemy}
394230 | Zig:25   | Identified the staff of Plunder {rF+ Dex+4 Fire}
394263 | Zig:25   | Identified the ring of the Princess {rCorr Int+2 Dex+6}
394272 | Zig:25   | Identified the +0 sling "Ujaunlati" {heavy, Str-5 Int+3}
394274 | Zig:25   | Identified the +3 battleaxe of the Incandescent {spect,
                  | Dex+3}
394966 | Zig:26   | Entered Level 26 of a ziggurat
395073 | Zig:26   | Paralysed by accursed screaming for 2 turns
395113 | Zig:26   | Paralysed by accursed screaming for 1 turns
395856 | Zig:26   | Identified the +0 chain mail of Tulips {Fly rC+ rN++ Dex-2}
395876 | Zig:26   | Identified the +1 chain mail "Amuvig" {rF+ rC+ Int+3}
395878 | Zig:26   | Identified the +1 halberd of Adedwiq {speed, rN+ Dex+6}
395893 | Zig:26   | Identified the +8 dagger of False Accusations {freeze,
                  | rElec rC+}
395912 | Zig:26   | Identified the amulet of Tempters {Harm Will+ Regen+ rCorr}
395919 | Zig:26   | Identified the staff of Exchange {rF- rN+ Str+2 Dex+8
                  | Necro}
395924 | Zig:26   | Identified the +6 arbalest of the Ageing Queen {drain,
                  | rElec Int+2 Dex-5}
395925 | Zig:26   | Identified the +2 robe of the Zebrataur {rC+++ Str-4 Int+3
                  | Dex+2}
395929 | Zig:26   | Identified the ring "Meugien" {Wiz Dex+3}
395933 | Zig:26   | Identified the +5 ring mail of Rotini {rElec rPois rF++
                  | Will-}
395941 | Zig:26   | Identified the +2 leather armour of Diopas {rC+ Will+}
395943 | Zig:26   | Identified the +8 lajatang of Zaddump {distort, Str+3}
395944 | Zig:26   | Identified the +1 shortbow "Ezxaecwu" {drain, rElec rC+
                  | Int-2}
395946 | Zig:26   | Identified the +6 whip of Hell's Wrath {venom, rN+ Str+4}
395948 | Zig:26   | Identified the staff of Disaster {rN+ Str+3 Necro}
395949 | Zig:26   | Identified the amulet "Emmod" {RegenMP Harm Int+4}
395975 | Zig:26   | Identified the +0 ring mail "Bergh" {Will+ Dex+2}
395989 | Zig:26   | Identified the ring "Kielanai" {Fire Int+2}
395994 | Zig:26   | Identified the +4 dagger "Canalul" {heavy, rElec SInv}
396002 | Zig:26   | Identified the +6 rapier of Zeloammu {antimagic, rCorr
                  | Dex+2}
396286 | Zig:27   | Entered Level 27 of a ziggurat
396342 | Zig:27   | Identified the ring "Rinaon" {Fire Str-4 Dex+5 Stlth+}
396709 | Zig:27   | Identified the staff "Ziatip" {rElec Str+5 Int-2 Air}
396714 | Zig:27   | Identified the +3 glaive "Biqets" {distort, Str+2}
396715 | Zig:27   | Identified the +8 war axe of Chaos {drain, Int+2 Dex+5}
396716 | Zig:27   | Identified the +8 great sword of the Curious Continents
                  | {venom, Will+ Dex+2 Stlth+}
396720 | Zig:27   | Identified the staff "Vetweall" {rF+ Necro Fire}
396724 | Zig:27   | Identified the +0 leather armour "Semuqer" {rF+}
396726 | Zig:27   | Identified the +1 ring mail of the Game of Life {-Cast rC+
                  | Stlth+}
396731 | Zig:27   | Identified the +7 morningstar of Floods {heavy, rF- Str+2
                  | Int+3}
396739 | Zig:27   | Identified the staff "Sipto" {rF+ Will- Str+2 Int+3 Earth}
396748 | Zig:27   | Identified the staff of Dohastics {rElec Earth}
396752 | Zig:27   | Identified the staff "Affo" {rPois rC+ Fire Ice}
396782 | Zig:27   | Identified the +8 flail of the Endless March {spect, rPois
                  | Int+3 Dex+3 Stlth+}
396792 | Zig:27   | Identified the +0 leather armour of Inference {Rampage
                  | SInv}
396844 | Zig:27   | Identified the +0 helmet of the Bull {rElec}
396873 | Zig:27   | Identified the +7 longbow "Bung" {freeze, Str+3 Int+3}
397465 | Depths:3 | Acquired the +6 tower shield of Vemace {Harm Will+}
397515 | Zig:1    | Entered Level 1 of a ziggurat
397515 | Zig:1    | Noticed Raekenk the pandemonium lord
397521 | Zig:1    | Killed Raekenk the pandemonium lord
397525 | Zig:2    | Entered Level 2 of a ziggurat
397537 | Zig:3    | Entered Level 3 of a ziggurat
397547 | Zig:4    | Entered Level 4 of a ziggurat
397547 | Zig:4    | Noticed a dread lich
397547 | Zig:4    | Noticed a dread lich
397547 | Zig:4    | Noticed a dread lich
397547 | Zig:4    | Noticed a dread lich
397547 | Zig:4    | Noticed a dread lich
397547 | Zig:4    | Noticed an ancient lich
397547 | Zig:4    | Noticed a dread lich
397547 | Zig:4    | Noticed a dread lich
397547 | Zig:4    | Noticed a dread lich
397547 | Zig:4    | Noticed a dread lich
397547 | Zig:4    | Noticed a dread lich
397547 | Zig:4    | Noticed a dread lich
397547 | Zig:4    | Noticed an ancient lich
397547 | Zig:4    | Noticed a dread lich
397547 | Zig:4    | Noticed an ancient lich
397547 | Zig:4    | Noticed a dread lich
397547 | Zig:4    | Noticed a dread lich
397547 | Zig:4    | Noticed a dread lich
397547 | Zig:4    | Noticed an ancient lich
397547 | Zig:4    | Noticed a dread lich
397547 | Zig:4    | Noticed a dread lich
397547 | Zig:4    | Noticed an ancient lich
397547 | Zig:4    | Noticed a dread lich
397547 | Zig:4    | Noticed an ancient lich
397547 | Zig:4    | Noticed a dread lich
397547 | Zig:4    | Noticed a dread lich
397548 | Zig:4    | Killed a dread lich
397548 | Zig:4    | Killed a dread lich
397548 | Zig:4    | Killed a dread lich
397548 | Zig:4    | Killed an ancient lich
397548 | Zig:4    | Killed a dread lich
397548 | Zig:4    | Killed a dread lich
397548 | Zig:4    | Killed a dread lich
397548 | Zig:4    | Killed a dread lich
397548 | Zig:4    | Killed an ancient lich
397548 | Zig:4    | Killed a dread lich
397548 | Zig:4    | Killed an ancient lich
397549 | Zig:4    | Killed a dread lich
397549 | Zig:4    | Killed a dread lich
397549 | Zig:4    | Killed an ancient lich
397549 | Zig:4    | Killed a dread lich
397549 | Zig:4    | Killed a dread lich
397549 | Zig:4    | Killed an ancient lich
397549 | Zig:4    | Killed a dread lich
397549 | Zig:4    | Killed a dread lich
397549 | Zig:4    | Killed a dread lich
397549 | Zig:4    | Killed a dread lich
397549 | Zig:4    | Killed a dread lich
397549 | Zig:4    | Killed an ancient lich
397549 | Zig:4    | Killed a dread lich
397549 | Zig:4    | Killed a dread lich
397549 | Zig:4    | Killed a dread lich
397558 | Zig:5    | Entered Level 5 of a ziggurat
397568 | Zig:5    | Identified the +6 rapier of Caoxyuh {flame, Int+2}
397573 | Zig:6    | Entered Level 6 of a ziggurat
397573 | Zig:6    | Noticed a dread lich
397573 | Zig:6    | Noticed a dread lich
397573 | Zig:6    | Noticed an ancient lich
397573 | Zig:6    | Noticed a dread lich
397573 | Zig:6    | Noticed a dread lich
397573 | Zig:6    | Noticed a dread lich
397573 | Zig:6    | Noticed an ancient lich
397573 | Zig:6    | Noticed an ancient lich
397573 | Zig:6    | Noticed an ancient lich
397573 | Zig:6    | Noticed a dread lich
397573 | Zig:6    | Noticed a dread lich
397573 | Zig:6    | Noticed an ancient lich
397573 | Zig:6    | Noticed a dread lich
397573 | Zig:6    | Noticed a dread lich
397573 | Zig:6    | Noticed a dread lich
397573 | Zig:6    | Noticed a dread lich
397573 | Zig:6    | Noticed an ancient lich
397573 | Zig:6    | Noticed a dread lich
397573 | Zig:6    | Noticed a dread lich
397573 | Zig:6    | Noticed a dread lich
397573 | Zig:6    | Noticed a dread lich
397573 | Zig:6    | Noticed an ancient lich
397574 | Zig:6    | Killed an ancient lich
397574 | Zig:6    | Killed a dread lich
397574 | Zig:6    | Killed an ancient lich
397574 | Zig:6    | Killed a dread lich
397574 | Zig:6    | Killed a dread lich
397574 | Zig:6    | Killed a dread lich
397574 | Zig:6    | Killed an ancient lich
397574 | Zig:6    | Killed a dread lich
397574 | Zig:6    | Killed a dread lich
397574 | Zig:6    | Killed a dread lich
397574 | Zig:6    | Killed a dread lich
397574 | Zig:6    | Killed a dread lich
397575 | Zig:6    | Noticed a dread lich
397575 | Zig:6    | Noticed a dread lich
397576 | Zig:6    | Noticed an ancient lich
397576 | Zig:6    | Noticed a dread lich
397576 | Zig:6    | Noticed a dread lich
397576 | Zig:6    | Killed a dread lich
397577 | Zig:6    | Noticed a dread lich
397577 | Zig:6    | Noticed a dread lich
397577 | Zig:6    | Noticed an ancient lich
397577 | Zig:6    | Noticed an ancient lich
397577 | Zig:6    | Noticed a dread lich
397578 | Zig:6    | Noticed a dread lich
397578 | Zig:6    | Killed a dread lich
397578 | Zig:6    | Killed an ancient lich
397578 | Zig:6    | Killed a dread lich
397579 | Zig:6    | Killed a dread lich
397579 | Zig:6    | Killed a dread lich
397580 | Zig:6    | Killed an ancient lich
397580 | Zig:6    | Killed a dread lich
397580 | Zig:6    | Killed an ancient lich
397580 | Zig:6    | Killed a dread lich
397581 | Zig:6    | Killed an ancient lich
397582 | Zig:6    | Killed a dread lich
397583 | Zig:6    | Killed a dread lich
397583 | Zig:6    | Killed an ancient lich
397583 | Zig:6    | Killed a dread lich
397585 | Zig:6    | Killed an ancient lich
397585 | Zig:6    | Killed an ancient lich
397585 | Zig:6    | Killed a dread lich
397589 | Zig:6    | Killed a dread lich
397592 | Zig:6    | Killed a dread lich
397595 | Zig:6    | Killed a dread lich
397872 | Zig:7    | Entered Level 7 of a ziggurat
397891 | Zig:8    | Entered Level 8 of a ziggurat
397923 | Zig:9    | Entered Level 9 of a ziggurat
397923 | Zig:9    | Noticed an ancient lich
397923 | Zig:9    | Noticed an ancient lich
397923 | Zig:9    | Noticed an ancient lich
397923 | Zig:9    | Noticed an ancient lich
397923 | Zig:9    | Noticed an ancient lich
397923 | Zig:9    | Noticed an ancient lich
397923 | Zig:9    | Noticed an ancient lich
397924 | Zig:9    | Killed an ancient lich
397924 | Zig:9    | Killed an ancient lich
397924 | Zig:9    | Killed an ancient lich
397924 | Zig:9    | Killed an ancient lich
397928 | Zig:9    | Noticed an ancient lich
397928 | Zig:9    | Noticed an ancient lich
397928 | Zig:9    | Noticed an ancient lich
397929 | Zig:9    | Noticed an ancient lich
397930 | Zig:9    | Noticed an ancient lich
397931 | Zig:9    | Killed an ancient lich
397932 | Zig:9    | Noticed an ancient lich
397932 | Zig:9    | Noticed an ancient lich
397933 | Zig:9    | Noticed an ancient lich
397935 | Zig:9    | Killed an ancient lich
397936 | Zig:9    | Noticed an ancient lich
397939 | Zig:9    | Killed an ancient lich
397939 | Zig:9    | Killed an ancient lich
397939 | Zig:9    | Killed an ancient lich
397940 | Zig:9    | Killed an ancient lich
397940 | Zig:9    | Killed an ancient lich
397940 | Zig:9    | Killed an ancient lich
397940 | Zig:9    | Killed an ancient lich
397940 | Zig:9    | Killed an ancient lich
397940 | Zig:9    | Killed an ancient lich
397943 | Zig:9    | Killed an ancient lich
398020 | Zig:9    | Identified the +0 crystal plate armour of Ludom {-Cast
                  | rC++}
398022 | Zig:9    | Identified the ring of Contention {rF- rC+ Str+6 Stlth+}
398173 | Zig:9    | Identified the +2 bardiche of Zoetimasorr {flame, rPois rF+
                  | Int+3}
398379 | Zig:10   | Entered Level 10 of a ziggurat
398398 | Zig:10   | Identified the +11 orcbow of Fokhleit {drain, rC++ Will+++
                  | Str-3}
398407 | Zig:11   | Entered Level 11 of a ziggurat
398436 | Zig:12   | Entered Level 12 of a ziggurat
398450 | Zig:12   | Noticed a dread lich
398458 | Zig:12   | Identified the staff of Suzxulizxaz {rElec rPois rCorr
                  | Str-5 Air}
398462 | Zig:12   | Killed a dread lich
398828 | Zig:12   | Identified the +12 short sword "Xom's Amusement" {flame,
                  | Stlth+}
398865 | Zig:12   | Identified the +10 broad axe of the Pit {spect, Dex+3}
398867 | Zig:12   | Identified the amulet of Totzucif {Faith +Inv Dex+2 SInv}
398901 | Zig:12   | Identified the staff "Wunusm" {rElec rPois rN+ Dex+2 Air}
398913 | Zig:12   | Identified the +5 scale mail of Jichi {Regen+ Str+3 Slay-2}
398918 | Zig:12   | Identified the +0 ring mail of Koxkitac {Will+}
398922 | Zig:12   | Identified the +9 mace "Bero" {flame, ^Contam rElec rN+++
                  | Str+4}
398938 | Zig:12   | Identified the +4 quarterstaff "Anwimeep" {drain, *Corrode
                  | rPois rC+++ Str-3}
398989 | Zig:13   | Entered Level 13 of a ziggurat
399018 | Zig:14   | Entered Level 14 of a ziggurat
399056 | Zig:15   | Entered Level 15 of a ziggurat
399056 | Zig:15   | Noticed an ancient lich
399056 | Zig:15   | Noticed an ancient lich
399056 | Zig:15   | Noticed an ancient lich
399056 | Zig:15   | Noticed an ancient lich
399056 | Zig:15   | Noticed an ancient lich
399056 | Zig:15   | Noticed an ancient lich
399056 | Zig:15   | Noticed an ancient lich
399056 | Zig:15   | Noticed an ancient lich
399056 | Zig:15   | Noticed an ancient lich
399056 | Zig:15   | Noticed an ancient lich
399056 | Zig:15   | Noticed an ancient lich
399056 | Zig:15   | Noticed an ancient lich
399056 | Zig:15   | Noticed an ancient lich
399056 | Zig:15   | Noticed an ancient lich
399056 | Zig:15   | Noticed an ancient lich
399057 | Zig:15   | Killed an ancient lich
399057 | Zig:15   | Killed an ancient lich
399057 | Zig:15   | Killed an ancient lich
399057 | Zig:15   | Killed an ancient lich
399057 | Zig:15   | Killed an ancient lich
399057 | Zig:15   | Killed an ancient lich
399057 | Zig:15   | Killed an ancient lich
399057 | Zig:15   | Killed an ancient lich
399057 | Zig:15   | Killed an ancient lich
399057 | Zig:15   | Killed an ancient lich
399057 | Zig:15   | Killed an ancient lich
399057 | Zig:15   | Killed an ancient lich
399058 | Zig:15   | Noticed an ancient lich
399058 | Zig:15   | Noticed an ancient lich
399060 | Zig:15   | Noticed an ancient lich
399061 | Zig:15   | Killed an ancient lich
399062 | Zig:15   | Killed an ancient lich
399062 | Zig:15   | Killed an ancient lich
399062 | Zig:15   | Killed an ancient lich
399062 | Zig:15   | Killed an ancient lich
399062 | Zig:15   | Killed an ancient lich
399063 | Zig:15   | Noticed an ancient lich
399063 | Zig:15   | Noticed an ancient lich
399063 | Zig:15   | Noticed an ancient lich
399063 | Zig:15   | Noticed an ancient lich
399064 | Zig:15   | Noticed an ancient lich
399065 | Zig:15   | Killed an ancient lich
399065 | Zig:15   | Killed an ancient lich
399065 | Zig:15   | Killed an ancient lich
399065 | Zig:15   | Noticed an ancient lich
399067 | Zig:15   | Killed an ancient lich
399067 | Zig:15   | Noticed an ancient lich
399067 | Zig:15   | Noticed an ancient lich
399068 | Zig:15   | Noticed an ancient lich
399068 | Zig:15   | Noticed an ancient lich
399068 | Zig:15   | Noticed an ancient lich
399069 | Zig:15   | Noticed an ancient lich
399069 | Zig:15   | Noticed an ancient lich
399070 | Zig:15   | Killed an ancient lich
399070 | Zig:15   | Noticed an ancient lich
399071 | Zig:15   | Noticed an ancient lich
399071 | Zig:15   | Noticed an ancient lich
399072 | Zig:15   | Noticed an ancient lich
399072 | Zig:15   | Noticed an ancient lich
399073 | Zig:15   | Killed an ancient lich
399073 | Zig:15   | Killed an ancient lich
399074 | Zig:15   | Killed an ancient lich
399074 | Zig:15   | Killed an ancient lich
399074 | Zig:15   | Killed an ancient lich
399074 | Zig:15   | Killed an ancient lich
399074 | Zig:15   | Killed an ancient lich
399074 | Zig:15   | Killed an ancient lich
399074 | Zig:15   | Killed an ancient lich
399074 | Zig:15   | Killed an ancient lich
399074 | Zig:15   | Killed an ancient lich
399074 | Zig:15   | Killed an ancient lich
399074 | Zig:15   | Killed an ancient lich
399075 | Zig:15   | Noticed an ancient lich
399075 | Zig:15   | Noticed an ancient lich
399075 | Zig:15   | Noticed an ancient lich
399076 | Zig:15   | Noticed an ancient lich
399076 | Zig:15   | Noticed an ancient lich
399076 | Zig:15   | Noticed an ancient lich
399076 | Zig:15   | Noticed an ancient lich
399076 | Zig:15   | Noticed an ancient lich
399077 | Zig:15   | Killed an ancient lich
399077 | Zig:15   | Killed an ancient lich
399077 | Zig:15   | Killed an ancient lich
399079 | Zig:15   | Noticed an ancient lich
399080 | Zig:15   | Killed an ancient lich
399080 | Zig:15   | Killed an ancient lich
399080 | Zig:15   | Killed an ancient lich
399080 | Zig:15   | Killed an ancient lich
399081 | Zig:15   | Killed an ancient lich
399081 | Zig:15   | Killed an ancient lich
399200 | Zig:15   | Identified the ring of Keriar {Str+4 SInv}
399211 | Zig:15   | Identified the +7 rapier of Vargh {freeze, rN++}
399216 | Zig:15   | Identified the +0 plate armour of Space {Harm rPois rCorr
                  | Dex-3}
399218 | Zig:15   | Identified the ring of the Raven {rCorr EV+5}
399220 | Zig:15   | Identified the +3 long sword "Lixoos" {flame, rPois rF+
                  | Will+ Dex+4}
399235 | Zig:15   | Identified the ring "Icrebrug" {rF+ Int+2}
399840 | Zig:16   | Entered Level 16 of a ziggurat
399880 | Zig:17   | Entered Level 17 of a ziggurat
399930 | Zig:18   | Entered Level 18 of a ziggurat
399957 | Zig:18   | Identified the amulet "Qas Maub" {Faith rElec}
400086 | Zig:18   | Identified the +9 great sword "Ohirphare" {venom, Will++
                  | rCorr Int+3 Dex+3}
400580 | Zig:18   | Identified the ring of Day {Int+7 Slay+4}
400602 | Zig:18   | Identified the ring "Ytzetsir" {rElec rF+ rC+ rN+}
400614 | Zig:18   | Identified the +7 flail of Youthful Indiscretion {vamp, rC+
                  | rCorr Str-2}
400618 | Zig:18   | Identified the +5 war axe "Xoddi" {drain, rF+ Dex+3}
400648 | Zig:18   | Identified the +6 short sword of Instant Death {antimagic,
                  | rElec Str-5 Int+5 Stlth+}
400656 | Zig:18   | Identified the ring "Balag" {rElec rN+ EV+5 Str+3 Stlth+}
400668 | Zig:18   | Identified the +0 leather armour "Igoesox" {Dex+3}
400756 | Zig:19   | Entered Level 19 of a ziggurat
400796 | Zig:20   | Entered Level 20 of a ziggurat
400796 | Zig:20   | Noticed an orb of fire
400796 | Zig:20   | Noticed an orb of fire
400796 | Zig:20   | Noticed an orb of fire
400796 | Zig:20   | Noticed an orb of fire
400796 | Zig:20   | Noticed an orb of fire
400796 | Zig:20   | Noticed an orb of fire
400796 | Zig:20   | Noticed an orb of fire
400796 | Zig:20   | Noticed an orb of fire
400796 | Zig:20   | Noticed an orb of fire
400796 | Zig:20   | Noticed an orb of fire
400796 | Zig:20   | Noticed an orb of fire
400796 | Zig:20   | Noticed an orb of fire
400796 | Zig:20   | Noticed an orb of fire
400796 | Zig:20   | Noticed an orb of fire
400796 | Zig:20   | Noticed an orb of fire
400796 | Zig:20   | Noticed an orb of fire
400796 | Zig:20   | Noticed an orb of fire
400796 | Zig:20   | Noticed an orb of fire
400796 | Zig:20   | Noticed an orb of fire
400796 | Zig:20   | Noticed an orb of fire
400796 | Zig:20   | Noticed an orb of fire
400796 | Zig:20   | Noticed an orb of fire
400796 | Zig:20   | Noticed an orb of fire
400796 | Zig:20   | Noticed an orb of fire
400796 | Zig:20   | Noticed an orb of fire
400799 | Zig:20   | Killed an orb of fire
400799 | Zig:20   | Killed an orb of fire
400799 | Zig:20   | Killed an orb of fire
400799 | Zig:20   | Killed an orb of fire
400799 | Zig:20   | Killed an orb of fire
400799 | Zig:20   | Killed an orb of fire
400799 | Zig:20   | Noticed an orb of fire
400799 | Zig:20   | Noticed an orb of fire
400800 | Zig:20   | Killed an orb of fire
400800 | Zig:20   | Killed an orb of fire
400800 | Zig:20   | Killed an orb of fire
400800 | Zig:20   | Noticed an orb of fire
400801 | Zig:20   | Noticed an orb of fire
400801 | Zig:20   | Noticed an orb of fire
400801 | Zig:20   | Noticed an orb of fire
400801 | Zig:20   | Noticed an orb of fire
400802 | Zig:20   | Noticed an orb of fire
400802 | Zig:20   | Noticed an orb of fire
400802 | Zig:20   | Killed an orb of fire
400802 | Zig:20   | Killed an orb of fire
400802 | Zig:20   | Killed an orb of fire
400802 | Zig:20   | Killed an orb of fire
400802 | Zig:20   | Killed an orb of fire
400802 | Zig:20   | Killed an orb of fire
400803 | Zig:20   | Noticed an orb of fire
400803 | Zig:20   | Noticed an orb of fire
400803 | Zig:20   | Noticed an orb of fire
400803 | Zig:20   | Noticed an orb of fire
400803 | Zig:20   | Noticed an orb of fire
400803 | Zig:20   | Noticed an orb of fire
400803 | Zig:20   | Noticed an orb of fire
400804 | Zig:20   | Noticed an orb of fire
400804 | Zig:20   | Killed an orb of fire
400804 | Zig:20   | Killed an orb of fire
400804 | Zig:20   | Killed an orb of fire
400804 | Zig:20   | Killed an orb of fire
400804 | Zig:20   | Killed an orb of fire
400804 | Zig:20   | Killed an orb of fire
400804 | Zig:20   | Killed an orb of fire
400804 | Zig:20   | Noticed an orb of fire
400804 | Zig:20   | Noticed an orb of fire
400804 | Zig:20   | Noticed an orb of fire
400805 | Zig:20   | Noticed an orb of fire
400805 | Zig:20   | Noticed an orb of fire
400805 | Zig:20   | Noticed an orb of fire
400805 | Zig:20   | Noticed an orb of fire
400805 | Zig:20   | Noticed an orb of fire
400805 | Zig:20   | Noticed an orb of fire
400805 | Zig:20   | Noticed an orb of fire
400806 | Zig:20   | Noticed an orb of fire
400806 | Zig:20   | Killed an orb of fire
400806 | Zig:20   | Killed an orb of fire
400806 | Zig:20   | Killed an orb of fire
400806 | Zig:20   | Killed an orb of fire
400806 | Zig:20   | Killed an orb of fire
400806 | Zig:20   | Killed an orb of fire
400806 | Zig:20   | Killed an orb of fire
400807 | Zig:20   | Noticed an orb of fire
400807 | Zig:20   | Killed an orb of fire
400807 | Zig:20   | Killed an orb of fire
400807 | Zig:20   | Killed an orb of fire
400807 | Zig:20   | Noticed an orb of fire
400808 | Zig:20   | Noticed an orb of fire
400808 | Zig:20   | Noticed an orb of fire
400808 | Zig:20   | Noticed an orb of fire
400808 | Zig:20   | Noticed an orb of fire
400809 | Zig:20   | Noticed an orb of fire
400809 | Zig:20   | Noticed an orb of fire
400809 | Zig:20   | Noticed an orb of fire
400809 | Zig:20   | Noticed an orb of fire
400809 | Zig:20   | Noticed an orb of fire
400809 | Zig:20   | Noticed an orb of fire
400810 | Zig:20   | Noticed an orb of fire
400810 | Zig:20   | Killed an orb of fire
400810 | Zig:20   | Killed an orb of fire
400810 | Zig:20   | Killed an orb of fire
400810 | Zig:20   | Killed an orb of fire
400810 | Zig:20   | Noticed an orb of fire
400811 | Zig:20   | Noticed an orb of fire
400811 | Zig:20   | Noticed an orb of fire
400811 | Zig:20   | Noticed an orb of fire
400811 | Zig:20   | Noticed an orb of fire
400811 | Zig:20   | Noticed an orb of fire
400811 | Zig:20   | Noticed an orb of fire
400811 | Zig:20   | Noticed an orb of fire
400811 | Zig:20   | Noticed an orb of fire
400811 | Zig:20   | Noticed an orb of fire
400812 | Zig:20   | Noticed an orb of fire
400812 | Zig:20   | Noticed an orb of fire
400812 | Zig:20   | Killed an orb of fire
400812 | Zig:20   | Killed an orb of fire
400812 | Zig:20   | Killed an orb of fire
400812 | Zig:20   | Killed an orb of fire
400812 | Zig:20   | Killed an orb of fire
400812 | Zig:20   | Killed an orb of fire
400812 | Zig:20   | Killed an orb of fire
400812 | Zig:20   | Killed an orb of fire
400812 | Zig:20   | Noticed an orb of fire
400813 | Zig:20   | Noticed an orb of fire
400813 | Zig:20   | Noticed an orb of fire
400813 | Zig:20   | Noticed an orb of fire
400813 | Zig:20   | Noticed an orb of fire
400813 | Zig:20   | Noticed an orb of fire
400813 | Zig:20   | Noticed an orb of fire
400813 | Zig:20   | Noticed an orb of fire
400813 | Zig:20   | Noticed an orb of fire
400813 | Zig:20   | Noticed an orb of fire
400814 | Zig:20   | Killed an orb of fire
400814 | Zig:20   | Killed an orb of fire
400814 | Zig:20   | Noticed an orb of fire
400815 | Zig:20   | Noticed an orb of fire
400815 | Zig:20   | Noticed an orb of fire
400815 | Zig:20   | Noticed an orb of fire
400815 | Zig:20   | Noticed an orb of fire
400815 | Zig:20   | Noticed an orb of fire
400815 | Zig:20   | Noticed an orb of fire
400815 | Zig:20   | Noticed an orb of fire
400816 | Zig:20   | Noticed an orb of fire
400816 | Zig:20   | Noticed an orb of fire
400816 | Zig:20   | Noticed an orb of fire
400818 | Zig:20   | Noticed an orb of fire
400823 | Zig:20   | Killed an orb of fire
400823 | Zig:20   | Killed an orb of fire
400823 | Zig:20   | Killed an orb of fire
400823 | Zig:20   | Killed an orb of fire
400823 | Zig:20   | Killed an orb of fire
400823 | Zig:20   | Killed an orb of fire
400823 | Zig:20   | Killed an orb of fire
400823 | Zig:20   | Killed an orb of fire
400824 | Zig:20   | Noticed an orb of fire
400824 | Zig:20   | Killed an orb of fire
400824 | Zig:20   | Killed an orb of fire
400824 | Zig:20   | Killed an orb of fire
400824 | Zig:20   | Killed an orb of fire
400824 | Zig:20   | Killed an orb of fire
400824 | Zig:20   | Killed an orb of fire
400824 | Zig:20   | Killed an orb of fire
400824 | Zig:20   | Killed an orb of fire
400824 | Zig:20   | Killed an orb of fire
400825 | Zig:20   | Killed an orb of fire
400825 | Zig:20   | Killed an orb of fire
400825 | Zig:20   | Killed an orb of fire
400825 | Zig:20   | Killed an orb of fire
400825 | Zig:20   | Killed an orb of fire
400825 | Zig:20   | Killed an orb of fire
400825 | Zig:20   | Killed an orb of fire
400825 | Zig:20   | Killed an orb of fire
400825 | Zig:20   | Noticed an orb of fire
400825 | Zig:20   | Noticed an orb of fire
400825 | Zig:20   | Noticed an orb of fire
400826 | Zig:20   | Noticed an orb of fire
400826 | Zig:20   | Noticed an orb of fire
400827 | Zig:20   | Killed an orb of fire
400827 | Zig:20   | Killed an orb of fire
400827 | Zig:20   | Killed an orb of fire
400827 | Zig:20   | Killed an orb of fire
400827 | Zig:20   | Killed an orb of fire
400827 | Zig:20   | Killed an orb of fire
400827 | Zig:20   | Killed an orb of fire
400827 | Zig:20   | Killed an orb of fire
400827 | Zig:20   | Killed an orb of fire
400827 | Zig:20   | Killed an orb of fire
400827 | Zig:20   | Killed an orb of fire
400827 | Zig:20   | Killed an orb of fire
400827 | Zig:20   | Killed an orb of fire
400827 | Zig:20   | Noticed an orb of fire
400827 | Zig:20   | Noticed an orb of fire
400828 | Zig:20   | Killed an orb of fire
400828 | Zig:20   | Killed an orb of fire
400828 | Zig:20   | Noticed an orb of fire
400828 | Zig:20   | Noticed an orb of fire
400829 | Zig:20   | Noticed an orb of fire
400829 | Zig:20   | Noticed an orb of fire
400829 | Zig:20   | Noticed an orb of fire
400829 | Zig:20   | Noticed an orb of fire
400829 | Zig:20   | Noticed an orb of fire
400829 | Zig:20   | Noticed an orb of fire
400830 | Zig:20   | Noticed an orb of fire
400830 | Zig:20   | Killed an orb of fire
400830 | Zig:20   | Killed an orb of fire
400830 | Zig:20   | Killed an orb of fire
400830 | Zig:20   | Killed an orb of fire
400830 | Zig:20   | Killed an orb of fire
400830 | Zig:20   | Killed an orb of fire
400830 | Zig:20   | Killed an orb of fire
400830 | Zig:20   | Noticed an orb of fire
400831 | Zig:20   | Noticed an orb of fire
400831 | Zig:20   | Killed an orb of fire
400831 | Zig:20   | Noticed an orb of fire
400831 | Zig:20   | Noticed an orb of fire
400832 | Zig:20   | Killed an orb of fire
400832 | Zig:20   | Killed an orb of fire
400832 | Zig:20   | Killed an orb of fire
400832 | Zig:20   | Killed an orb of fire
400832 | Zig:20   | Killed an orb of fire
400832 | Zig:20   | Killed an orb of fire
400832 | Zig:20   | Killed an orb of fire
400832 | Zig:20   | Killed an orb of fire
400832 | Zig:20   | Noticed an orb of fire
400832 | Zig:20   | Noticed an orb of fire
400833 | Zig:20   | Killed an orb of fire
400833 | Zig:20   | Killed an orb of fire
400833 | Zig:20   | Killed an orb of fire
400833 | Zig:20   | Killed an orb of fire
400833 | Zig:20   | Killed an orb of fire
400834 | Zig:20   | Noticed an orb of fire
400834 | Zig:20   | Killed an orb of fire
400834 | Zig:20   | Killed an orb of fire
400834 | Zig:20   | Killed an orb of fire
400834 | Zig:20   | Killed an orb of fire
400834 | Zig:20   | Noticed an orb of fire
400834 | Zig:20   | Noticed an orb of fire
400834 | Zig:20   | Noticed an orb of fire
400834 | Zig:20   | Noticed an orb of fire
400834 | Zig:20   | Noticed an orb of fire
400835 | Zig:20   | Killed an orb of fire
400835 | Zig:20   | Killed an orb of fire
400835 | Zig:20   | Killed an orb of fire
400835 | Zig:20   | Killed an orb of fire
400835 | Zig:20   | Killed an orb of fire
400835 | Zig:20   | Killed an orb of fire
400835 | Zig:20   | Noticed an orb of fire
400835 | Zig:20   | Noticed an orb of fire
400836 | Zig:20   | Killed an orb of fire
400836 | Zig:20   | Killed an orb of fire
400836 | Zig:20   | Killed an orb of fire
400836 | Zig:20   | Noticed an orb of fire
400837 | Zig:20   | Noticed an orb of fire
400837 | Zig:20   | Noticed an orb of fire
400837 | Zig:20   | Noticed an orb of fire
400837 | Zig:20   | Noticed an orb of fire
400838 | Zig:20   | Killed an orb of fire
400838 | Zig:20   | Killed an orb of fire
400838 | Zig:20   | Killed an orb of fire
400838 | Zig:20   | Noticed an orb of fire
400839 | Zig:20   | Noticed an orb of fire
400839 | Zig:20   | Noticed an orb of fire
400839 | Zig:20   | Noticed an orb of fire
400840 | Zig:20   | Noticed an orb of fire
400840 | Zig:20   | Killed an orb of fire
400840 | Zig:20   | Killed an orb of fire
400840 | Zig:20   | Killed an orb of fire
400840 | Zig:20   | Killed an orb of fire
400841 | Zig:20   | Killed an orb of fire
400841 | Zig:20   | Killed an orb of fire
400841 | Zig:20   | Killed an orb of fire
400841 | Zig:20   | Noticed an orb of fire
400841 | Zig:20   | Noticed an orb of fire
400843 | Zig:20   | Noticed an orb of fire
400843 | Zig:20   | Noticed an orb of fire
400843 | Zig:20   | Noticed an orb of fire
400844 | Zig:20   | Noticed an orb of fire
400844 | Zig:20   | Killed an orb of fire
400844 | Zig:20   | Killed an orb of fire
400846 | Zig:20   | Killed an orb of fire
400846 | Zig:20   | Killed an orb of fire
400846 | Zig:20   | Killed an orb of fire
400846 | Zig:20   | Killed an orb of fire
400848 | Zig:20   | Killed an orb of fire
400848 | Zig:20   | Killed an orb of fire
400848 | Zig:20   | Killed an orb of fire
400848 | Zig:20   | Killed an orb of fire
400848 | Zig:20   | Killed an orb of fire
400850 | Zig:20   | Killed an orb of fire
400852 | Zig:20   | Noticed an orb of fire
400852 | Zig:20   | Killed an orb of fire
400852 | Zig:20   | Killed an orb of fire
400852 | Zig:20   | Killed an orb of fire
400854 | Zig:20   | Killed an orb of fire
400854 | Zig:20   | Killed an orb of fire
400856 | Zig:20   | Killed an orb of fire
401365 | Zig:20   | Identified the +3 whip of Blood {elec, Will+}
401381 | Zig:20   | Identified the staff "Onopnali" {rPois rC+ rN+ Str+4 SInv
                  | Alchemy}
401382 | Zig:20   | Identified the +1 cloak of Mutualism {Fly rC+ rCorr Int-3
                  | Dex+2}
401392 | Zig:20   | Identified the +0 scimitar of No Interval {drain, rPois rF+
                  | Stlth+}
401395 | Zig:20   | Identified the +9 falchion of the Six Demons {freeze, rPois
                  | rF+ rC++ Will-}
401401 | Zig:20   | Identified the +11 scale mail of the Spheres {Regen+ Str+2}
401407 | Zig:20   | Identified the amulet of Due Proportion {Acrobat rC++ Will+
                  | MP-9}
401409 | Zig:20   | Identified the amulet "Mysec" {Acrobat rElec Int+4 Stlth+}
401412 | Zig:20   | Identified the ring of Ryisoroen {rN+ Dex+5}
401416 | Zig:20   | Identified the +7 orcbow "Deawn" {speed, ^Fragile rN+
                  | Int+4}
401563 | Zig:21   | Entered Level 21 of a ziggurat
401588 | Zig:21   | Noticed Zufut the pandemonium lord
401597 | Zig:21   | Killed Zufut the pandemonium lord
401726 | Zig:21   | Identified the +7 mace of Destiny {flame, rElec rN+}
401728 | Zig:21   | Identified the +8 great mace "Cookie Cutter" {freeze, rC-
                  | rN+ Dex+2}
401731 | Zig:21   | Identified the +9 dagger "Ulyits" {flame, *Noise Will++}
401740 | Zig:21   | Identified the +6 whip "Lugiqol" {antimagic, Fly Int+6}
401771 | Zig:21   | Identified the +8 quarterstaff of Eternal War {protect,
                  | rElec rC+ rCorr}
401787 | Zig:21   | Identified the +2 flail of Waull {holy, *Corrode +Blink
                  | MP-9 Str+8}
401817 | Zig:21   | Identified the +8 great sword of the Ageing Boar {heavy,
                  | rF+ MP-9 Str+3 Int+7}
401883 | Zig:21   | Identified the +8 double sword of Terror {spect, rN+}
401885 | Zig:21   | Identified the ring of the Impish Guava {rCorr Str+4}
402585 | Zig:22   | Entered Level 22 of a ziggurat
402642 | Zig:22   | Identified the staff "Mexzodu" {rElec rC+ Will- Necro Air}
402645 | Zig:22   | Identified the ring "Somepuy" {rPois rC+ rN+ Stlth-}
403237 | Zig:22   | Identified the +5 rapier of Kija {freeze, Str+2 Dex+4}
403289 | Zig:22   | Identified the staff "Fuco Quah" {rElec rPois rF- rC+ Will+
                  | Air}
403297 | Zig:22   | Identified the +0 plate armour of Pessimism {rPois Str+4
                  | Dex+3}
403303 | Zig:22   | Identified the +4 orcbow "Fomnuing" {speed, Will- rCorr
                  | Dex+3 Stlth+}
403314 | Zig:22   | Identified the +5 rapier "Qaosm" {venom, rPois rF- Dex+3
                  | Stlth+}
403331 | Zig:22   | Identified the +1 helmet of the Delicate God {rF+ rN+}
403333 | Zig:22   | Identified the ring "Mofuf" {Fire rPois rN+ Will- Int+2}
403337 | Zig:22   | Identified the +1 longbow of Wyrd {flame, rCorr Str+4
                  | Dex+2}
403344 | Zig:22   | Identified the ring of Zec Fagg {Wiz *Slow Fly rC+}
403349 | Zig:22   | Identified the +0 chain mail of Beyond {+Blink rElec rN+++
                  | Slay-2}
403357 | Zig:22   | Identified the +2 leather armour of Infinity {rPois Will+}
403372 | Zig:22   | Identified the +6 quarterstaff of the Wilderness {heavy,
                  | rElec rPois}
403378 | Zig:22   | Identified the +3 long sword of Xuujicam {vamp, rN++ Dex+5
                  | Stlth-}
403583 | Zig:23   | Entered Level 23 of a ziggurat
403611 | Zig:23   | Noticed an ancient lich
403612 | Zig:23   | Noticed an ancient lich
403615 | Zig:23   | Killed an ancient lich
403621 | Zig:23   | Killed an ancient lich
403692 | Zig:23   | Noticed an ancient lich
403694 | Zig:23   | Killed an ancient lich
404231 | Zig:23   | Identified the staff of the Hidden Vale {rC+ Str+2 Int+2
                  | Earth}
404239 | Zig:23   | Identified the staff "Siakhiur" {rPois Will- Stlth+ Conj
                  | Air}
404244 | Zig:23   | Identified the +1 trident "Xuzxoam" {freeze, rN++ Dex-5}
404247 | Zig:23   | Identified the +3 scale mail of Plog {Str+3 Int-2}
404255 | Zig:23   | Identified the +7 plate armour of Lugonu's Pride {Dex+5}
404261 | Zig:23   | Identified the ring of the Dull Tamarind {+Blink Str+6
                  | SInv}
404270 | Zig:23   | Identified the +4 robe of the Hall of Blades {^Drain rN+
                  | Str+3}
404272 | Zig:23   | Identified the ring of Votho {EV+5 Str+4 Dex-3}
404278 | Zig:23   | Identified the +5 ring mail "Zoit" {*Slow rElec Regen+}
404287 | Zig:23   | Identified the +5 quarterstaff "Liyddix" {freeze, rPois
                  | MP+9 Int+3 Stlth+}
404289 | Zig:23   | Identified the ring "Eluamnutugh" {Fire SInv}
404295 | Zig:23   | Identified the amulet of Vehumet's Generosity {RegenMP rF+
                  | Slay+6}
404308 | Zig:23   | Identified the +1 leather armour "Kokoc" {Regen+ Dex+3}
404309 | Zig:23   | Identified the amulet of Aloluolupt {Acrobat ^Fragile rElec
                  | Will+++ Dex-5}
404313 | Zig:23   | Identified the +4 battleaxe of Wauffed {heavy, rElec}
404315 | Zig:23   | Identified the +1 trident of Royalism {speed, *Corrode
                  | Int+2 SInv}
404324 | Zig:23   | Identified the ring "Vonolu" {rCorr Int+3 Dex+2}
404429 | Zig:24   | Entered Level 24 of a ziggurat
404474 | Zig:24   | Identified the +1 chain mail of Light {rN++ Dex-3}
404483 | Zig:25   | Entered Level 25 of a ziggurat
404490 | Zig:25   | Noticed a dread lich
404491 | Zig:25   | Noticed a royal mummy
404512 | Zig:25   | Killed a royal mummy
404531 | Zig:25   | Identified the staff of Ignis's Grace {rElec rC+ Will-
                  | rCorr SInv Ice}
404555 | Zig:25   | Killed a dread lich
404602 | Zig:25   | Identified the staff of Embarrassment {rElec Str+6 Int-5
                  | Air}
404619 | Zig:25   | Identified the +3 halberd of Fragile Peace {venom, rElec
                  | rPois rF- rN++}
404621 | Zig:25   | Identified the +3 halberd of Wyrd {holy, rC++ Int+3}
404629 | Zig:25   | Identified the ring of Iheeppo {Fly rPois Dex+3 Stlth-}
404631 | Zig:25   | Identified the +2 robe of Cheibriados's Scorn {rN+ Will++
                  | Str+4 Int+2}
404637 | Zig:25   | Identified the +2 leather armour "Qinka" {+Blink +Inv Dex-3
                  | SInv}
404644 | Zig:25   | Identified the +1 ring mail of Resilience {rF+ rN++ Dex+3}
404645 | Zig:25   | Identified the +5 robe of Instinct {Rampage Str+6 Int-2
                  | SInv}
404653 | Zig:25   | Identified the +9 double sword of the Incandescent {flame,
                  | rN+}
404660 | Zig:25   | Identified the +8 scimitar of Agony {heavy, +Blink Int+3
                  | Dex+4}
404664 | Zig:25   | Identified the +1 trident "Aryjout" {drain, rElec rPois
                  | Dex+6 Stlth-}
404687 | Zig:25   | Identified the +6 quarterstaff of Uczas {holy, *Rage rElec
                  | Str+3 Dex+3}
404716 | Zig:25   | Identified the +9 spear "Fuimuwk" {holy, Fly rF+}
404728 | Zig:25   | Identified the +10 rapier "Goblinslayer" {heavy, rPois rF+
                  | Int+3}
404744 | Zig:25   | Identified the staff of Conversion {^Drain rElec rC+ Int+3
                  | Ice}
405302 | Zig:25   | Identified the +11 hand axe of the Hummingbird {distort,
                  | Int+2 Dex+4}
405380 | Zig:26   | Entered Level 26 of a ziggurat
405386 | Zig:26   | Noticed an ancient lich
405388 | Zig:26   | Noticed an ancient lich
405389 | Zig:26   | Noticed a dread lich
405389 | Zig:26   | Noticed a dread lich
405389 | Zig:26   | Noticed a dread lich
405390 | Zig:26   | Noticed an ancient lich
405390 | Zig:26   | Noticed a dread lich
405390 | Zig:26   | Noticed a dread lich
405391 | Zig:26   | Killed an ancient lich
405391 | Zig:26   | Killed a dread lich
405391 | Zig:26   | Killed an ancient lich
405391 | Zig:26   | Killed a dread lich
405391 | Zig:26   | Killed a dread lich
405391 | Zig:26   | Killed a dread lich
405391 | Zig:26   | Noticed a dread lich
405392 | Zig:26   | Noticed an ancient lich
405392 | Zig:26   | Noticed a dread lich
405392 | Zig:26   | Noticed a dread lich
405392 | Zig:26   | Noticed an ancient lich
405392 | Zig:26   | Noticed a dread lich
405393 | Zig:26   | Noticed an ancient lich
405393 | Zig:26   | Noticed an ancient lich
405393 | Zig:26   | Noticed a dread lich
405393 | Zig:26   | Noticed a dread lich
405393 | Zig:26   | Noticed an ancient lich
405393 | Zig:26   | Noticed an ancient lich
405394 | Zig:26   | Noticed an ancient lich
405394 | Zig:26   | Noticed a dread lich
405394 | Zig:26   | Killed an ancient lich
405394 | Zig:26   | Killed an ancient lich
405394 | Zig:26   | Killed an ancient lich
405394 | Zig:26   | Noticed a dread lich
405394 | Zig:26   | Noticed a dread lich
405394 | Zig:26   | Noticed an ancient lich
405395 | Zig:26   | Noticed a dread lich
405395 | Zig:26   | Noticed a dread lich
405395 | Zig:26   | Noticed a dread lich
405395 | Zig:26   | Noticed a dread lich
405395 | Zig:26   | Noticed a dread lich
405396 | Zig:26   | Noticed a dread lich
405396 | Zig:26   | Noticed an ancient lich
405396 | Zig:26   | Noticed a dread lich
405396 | Zig:26   | Noticed an ancient lich
405396 | Zig:26   | Noticed an ancient lich
405396 | Zig:26   | Noticed a dread lich
405396 | Zig:26   | Noticed an ancient lich
405396 | Zig:26   | Noticed a dread lich
405396 | Zig:26   | Noticed a dread lich
405397 | Zig:26   | Noticed an ancient lich
405397 | Zig:26   | Noticed a dread lich
405397 | Zig:26   | Killed an ancient lich
405397 | Zig:26   | Killed an ancient lich
405397 | Zig:26   | Killed a dread lich
405397 | Zig:26   | Killed a dread lich
405397 | Zig:26   | Killed a dread lich
405397 | Zig:26   | Killed an ancient lich
405397 | Zig:26   | Killed an ancient lich
405397 | Zig:26   | Killed a dread lich
405397 | Zig:26   | Killed a dread lich
405397 | Zig:26   | Killed an ancient lich
405397 | Zig:26   | Killed a dread lich
405397 | Zig:26   | Killed a dread lich
405397 | Zig:26   | Killed an ancient lich
405397 | Zig:26   | Killed an ancient lich
405397 | Zig:26   | Killed a dread lich
405397 | Zig:26   | Noticed an ancient lich
405397 | Zig:26   | Noticed a dread lich
405398 | Zig:26   | Noticed a dread lich
405398 | Zig:26   | Noticed a dread lich
405398 | Zig:26   | Noticed a dread lich
405398 | Zig:26   | Noticed an ancient lich
405398 | Zig:26   | Noticed a dread lich
405398 | Zig:26   | Noticed a dread lich
405398 | Zig:26   | Noticed an ancient lich
405398 | Zig:26   | Noticed an ancient lich
405399 | Zig:26   | Killed a dread lich
405399 | Zig:26   | Killed a dread lich
405399 | Zig:26   | Killed a dread lich
405399 | Zig:26   | Killed a dread lich
405399 | Zig:26   | Killed a dread lich
405399 | Zig:26   | Killed a dread lich
405399 | Zig:26   | Killed a dread lich
405399 | Zig:26   | Killed a dread lich
405399 | Zig:26   | Killed a dread lich
405399 | Zig:26   | Killed an ancient lich
405399 | Zig:26   | Killed an ancient lich
405399 | Zig:26   | Killed a dread lich
405399 | Zig:26   | Killed an ancient lich
405399 | Zig:26   | Killed a dread lich
405399 | Zig:26   | Killed a dread lich
405399 | Zig:26   | Killed a dread lich
405399 | Zig:26   | Killed a dread lich
405399 | Zig:26   | Killed an ancient lich
405399 | Zig:26   | Killed an ancient lich
405399 | Zig:26   | Killed a dread lich
405399 | Zig:26   | Killed a dread lich
405399 | Zig:26   | Noticed an ancient lich
405399 | Zig:26   | Noticed a dread lich
405399 | Zig:26   | Noticed a dread lich
405399 | Zig:26   | Noticed an ancient lich
405399 | Zig:26   | Noticed an ancient lich
405399 | Zig:26   | Noticed an ancient lich
405400 | Zig:26   | Noticed a dread lich
405400 | Zig:26   | Noticed a dread lich
405400 | Zig:26   | Killed a dread lich
405400 | Zig:26   | Killed a dread lich
405400 | Zig:26   | Killed an ancient lich
405400 | Zig:26   | Killed an ancient lich
405400 | Zig:26   | Killed an ancient lich
405400 | Zig:26   | Killed a dread lich
405400 | Zig:26   | Noticed a dread lich
405400 | Zig:26   | Noticed a dread lich
405401 | Zig:26   | Noticed an ancient lich
405401 | Zig:26   | Noticed a dread lich
405401 | Zig:26   | Noticed a dread lich
405402 | Zig:26   | Noticed an ancient lich
405402 | Zig:26   | Noticed a dread lich
405402 | Zig:26   | Noticed a dread lich
405402 | Zig:26   | Noticed a dread lich
405402 | Zig:26   | Noticed an ancient lich
405402 | Zig:26   | Noticed a dread lich
405402 | Zig:26   | Noticed an ancient lich
405402 | Zig:26   | Noticed a dread lich
405402 | Zig:26   | Noticed a dread lich
405402 | Zig:26   | Noticed an ancient lich
405402 | Zig:26   | Noticed a dread lich
405403 | Zig:26   | Noticed a dread lich
405403 | Zig:26   | Killed an ancient lich
405403 | Zig:26   | Killed a dread lich
405403 | Zig:26   | Killed a dread lich
405403 | Zig:26   | Killed a dread lich
405403 | Zig:26   | Killed an ancient lich
405403 | Zig:26   | Killed an ancient lich
405403 | Zig:26   | Killed a dread lich
405403 | Zig:26   | Killed a dread lich
405403 | Zig:26   | Killed a dread lich
405403 | Zig:26   | Killed a dread lich
405403 | Zig:26   | Killed a dread lich
405403 | Zig:26   | Killed an ancient lich
405403 | Zig:26   | Killed a dread lich
405403 | Zig:26   | Killed a dread lich
405403 | Zig:26   | Killed an ancient lich
405403 | Zig:26   | Killed a dread lich
405403 | Zig:26   | Noticed an ancient lich
405403 | Zig:26   | Noticed a dread lich
405403 | Zig:26   | Noticed an ancient lich
405403 | Zig:26   | Noticed a dread lich
405404 | Zig:26   | Noticed a dread lich
405404 | Zig:26   | Noticed a dread lich
405404 | Zig:26   | Noticed a dread lich
405404 | Zig:26   | Noticed an ancient lich
405405 | Zig:26   | Noticed an ancient lich
405405 | Zig:26   | Noticed a dread lich
405405 | Zig:26   | Noticed an ancient lich
405405 | Zig:26   | Noticed an ancient lich
405405 | Zig:26   | Noticed a dread lich
405405 | Zig:26   | Noticed a dread lich
405405 | Zig:26   | Noticed a dread lich
405406 | Zig:26   | Noticed a dread lich
405406 | Zig:26   | Noticed an ancient lich
405406 | Zig:26   | Noticed a dread lich
405406 | Zig:26   | Killed an ancient lich
405406 | Zig:26   | Killed an ancient lich
405406 | Zig:26   | Killed a dread lich
405406 | Zig:26   | Killed an ancient lich
405406 | Zig:26   | Killed a dread lich
405406 | Zig:26   | Killed an ancient lich
405406 | Zig:26   | Killed a dread lich
405406 | Zig:26   | Killed an ancient lich
405406 | Zig:26   | Killed a dread lich
405407 | Zig:26   | Killed a dread lich
405407 | Zig:26   | Killed a dread lich
405407 | Zig:26   | Killed a dread lich
405407 | Zig:26   | Killed an ancient lich
405407 | Zig:26   | Killed an ancient lich
405407 | Zig:26   | Killed an ancient lich
405407 | Zig:26   | Killed a dread lich
405407 | Zig:26   | Killed a dread lich
405407 | Zig:26   | Killed a dread lich
405407 | Zig:26   | Killed an ancient lich
405407 | Zig:26   | Killed a dread lich
405407 | Zig:26   | Killed an ancient lich
405408 | Zig:26   | Noticed a dread lich
405408 | Zig:26   | Noticed an ancient lich
405408 | Zig:26   | Noticed an ancient lich
405408 | Zig:26   | Noticed an ancient lich
405408 | Zig:26   | Noticed an ancient lich
405408 | Zig:26   | Noticed a dread lich
405408 | Zig:26   | Noticed a dread lich
405408 | Zig:26   | Noticed a dread lich
405408 | Zig:26   | Noticed an ancient lich
405409 | Zig:26   | Noticed an ancient lich
405409 | Zig:26   | Noticed a dread lich
405409 | Zig:26   | Noticed a dread lich
405409 | Zig:26   | Noticed an ancient lich
405409 | Zig:26   | Noticed a dread lich
405409 | Zig:26   | Noticed an ancient lich
405409 | Zig:26   | Noticed a dread lich
405409 | Zig:26   | Noticed a dread lich
405410 | Zig:26   | Noticed a dread lich
405410 | Zig:26   | Noticed a dread lich
405410 | Zig:26   | Noticed an ancient lich
405410 | Zig:26   | Killed a dread lich
405410 | Zig:26   | Killed a dread lich
405410 | Zig:26   | Killed an ancient lich
405410 | Zig:26   | Killed a dread lich
405410 | Zig:26   | Killed a dread lich
405410 | Zig:26   | Killed an ancient lich
405410 | Zig:26   | Killed a dread lich
405410 | Zig:26   | Killed a dread lich
405410 | Zig:26   | Killed a dread lich
405411 | Zig:26   | Noticed a dread lich
405411 | Zig:26   | Noticed an ancient lich
405411 | Zig:26   | Noticed an ancient lich
405411 | Zig:26   | Noticed a dread lich
405411 | Zig:26   | Noticed an ancient lich
405411 | Zig:26   | Noticed an ancient lich
405411 | Zig:26   | Noticed a dread lich
405411 | Zig:26   | Noticed a dread lich
405411 | Zig:26   | Noticed a dread lich
405412 | Zig:26   | Noticed a dread lich
405412 | Zig:26   | Noticed an ancient lich
405412 | Zig:26   | Noticed a dread lich
405412 | Zig:26   | Killed a dread lich
405412 | Zig:26   | Killed an ancient lich
405412 | Zig:26   | Killed a dread lich
405412 | Zig:26   | Killed an ancient lich
405412 | Zig:26   | Killed a dread lich
405412 | Zig:26   | Killed an ancient lich
405412 | Zig:26   | Killed a dread lich
405412 | Zig:26   | Killed an ancient lich
405412 | Zig:26   | Killed a dread lich
405412 | Zig:26   | Killed an ancient lich
405412 | Zig:26   | Killed an ancient lich
405412 | Zig:26   | Killed a dread lich
405412 | Zig:26   | Killed an ancient lich
405412 | Zig:26   | Killed a dread lich
405412 | Zig:26   | Killed a dread lich
405412 | Zig:26   | Killed an ancient lich
405412 | Zig:26   | Killed a dread lich
405412 | Zig:26   | Killed a dread lich
405412 | Zig:26   | Killed a dread lich
405412 | Zig:26   | Killed an ancient lich
405412 | Zig:26   | Killed an ancient lich
405412 | Zig:26   | Killed a dread lich
405412 | Zig:26   | Killed a dread lich
405412 | Zig:26   | Killed a dread lich
405413 | Zig:26   | Noticed an ancient lich
405413 | Zig:26   | Noticed a dread lich
405413 | Zig:26   | Noticed a dread lich
405413 | Zig:26   | Noticed an ancient lich
405413 | Zig:26   | Noticed an ancient lich
405413 | Zig:26   | Noticed an ancient lich
405413 | Zig:26   | Noticed a dread lich
405413 | Zig:26   | Noticed an ancient lich
405413 | Zig:26   | Noticed an ancient lich
405413 | Zig:26   | Noticed a dread lich
405414 | Zig:26   | Noticed an ancient lich
405414 | Zig:26   | Noticed a dread lich
405414 | Zig:26   | Noticed an ancient lich
405414 | Zig:26   | Noticed a dread lich
405414 | Zig:26   | Noticed a dread lich
405414 | Zig:26   | Noticed an ancient lich
405414 | Zig:26   | Noticed a dread lich
405414 | Zig:26   | Noticed a dread lich
405415 | Zig:26   | Noticed a dread lich
405415 | Zig:26   | Noticed a dread lich
405415 | Zig:26   | Noticed a dread lich
405415 | Zig:26   | Noticed a dread lich
405415 | Zig:26   | Killed an ancient lich
405415 | Zig:26   | Killed a dread lich
405415 | Zig:26   | Killed a dread lich
405415 | Zig:26   | Killed an ancient lich
405415 | Zig:26   | Killed an ancient lich
405415 | Zig:26   | Killed an ancient lich
405415 | Zig:26   | Killed a dread lich
405415 | Zig:26   | Noticed a dread lich
405415 | Zig:26   | Noticed an ancient lich
405415 | Zig:26   | Noticed an ancient lich
405415 | Zig:26   | Noticed a dread lich
405415 | Zig:26   | Noticed an ancient lich
405415 | Zig:26   | Noticed an ancient lich
405415 | Zig:26   | Noticed an ancient lich
405416 | Zig:26   | Noticed a dread lich
405416 | Zig:26   | Noticed an ancient lich
405416 | Zig:26   | Noticed an ancient lich
405417 | Zig:26   | Noticed an ancient lich
405417 | Zig:26   | Noticed a dread lich
405417 | Zig:26   | Noticed an ancient lich
405417 | Zig:26   | Noticed a dread lich
405417 | Zig:26   | Noticed a dread lich
405418 | Zig:26   | Killed an ancient lich
405418 | Zig:26   | Killed an ancient lich
405418 | Zig:26   | Killed a dread lich
405418 | Zig:26   | Killed a dread lich
405418 | Zig:26   | Killed an ancient lich
405418 | Zig:26   | Killed a dread lich
405418 | Zig:26   | Killed a dread lich
405418 | Zig:26   | Killed an ancient lich
405418 | Zig:26   | Killed a dread lich
405418 | Zig:26   | Killed an ancient lich
405418 | Zig:26   | Killed a dread lich
405418 | Zig:26   | Killed a dread lich
405418 | Zig:26   | Killed a dread lich
405418 | Zig:26   | Killed an ancient lich
405418 | Zig:26   | Killed an ancient lich
405418 | Zig:26   | Killed an ancient lich
405418 | Zig:26   | Noticed an ancient lich
405418 | Zig:26   | Noticed a dread lich
405419 | Zig:26   | Killed an ancient lich
405419 | Zig:26   | Killed a dread lich
405419 | Zig:26   | Killed an ancient lich
405419 | Zig:26   | Killed an ancient lich
405419 | Zig:26   | Killed a dread lich
405419 | Zig:26   | Killed a dread lich
405419 | Zig:26   | Killed a dread lich
405419 | Zig:26   | Killed a dread lich
405419 | Zig:26   | Killed an ancient lich
405419 | Zig:26   | Killed an ancient lich
405419 | Zig:26   | Killed an ancient lich
405419 | Zig:26   | Killed an ancient lich
405419 | Zig:26   | Killed a dread lich
405419 | Zig:26   | Killed a dread lich
405419 | Zig:26   | Killed an ancient lich
405419 | Zig:26   | Killed a dread lich
405419 | Zig:26   | Killed a dread lich
405419 | Zig:26   | Killed a dread lich
405419 | Zig:26   | Killed an ancient lich
405419 | Zig:26   | Killed an ancient lich
405419 | Zig:26   | Killed a dread lich
405420 | Zig:26   | Noticed an ancient lich
405420 | Zig:26   | Noticed an ancient lich
405421 | Zig:26   | Noticed a dread lich
405422 | Zig:26   | Killed an ancient lich
405422 | Zig:26   | Killed an ancient lich
405423 | Zig:26   | Noticed a dread lich
405423 | Zig:26   | Noticed an ancient lich
405424 | Zig:26   | Noticed an ancient lich
405424 | Zig:26   | Noticed a dread lich
405425 | Zig:26   | Killed a dread lich
405425 | Zig:26   | Killed a dread lich
405425 | Zig:26   | Killed an ancient lich
405425 | Zig:26   | Killed a dread lich
405425 | Zig:26   | Killed an ancient lich
405426 | Zig:26   | Identified the +2 robe "Boagy" {rPois rF+++ Stlth-
                  | Archmagi}
405429 | Zig:26   | Noticed a dread lich
405430 | Zig:26   | Noticed a dread lich
405432 | Zig:26   | Killed a dread lich
405434 | Zig:26   | Noticed an ancient lich
405436 | Zig:26   | Killed a dread lich
405436 | Zig:26   | Noticed an ancient lich
405436 | Zig:26   | Noticed a dread lich
405437 | Zig:26   | Killed an ancient lich
405438 | Zig:26   | Noticed a dread lich
405439 | Zig:26   | Noticed an ancient lich
405439 | Zig:26   | Noticed a dread lich
405439 | Zig:26   | Noticed a dread lich
405440 | Zig:26   | Killed a dread lich
405440 | Zig:26   | Killed a dread lich
405440 | Zig:26   | Noticed a dread lich
405441 | Zig:26   | Identified the +4 morningstar of Soijin {distort, rN+ Will+
                  | Str+2}
405442 | Zig:26   | Killed an ancient lich
405442 | Zig:26   | Killed a dread lich
405442 | Zig:26   | Killed a dread lich
405442 | Zig:26   | Killed an ancient lich
405444 | Zig:26   | Killed a dread lich
405444 | Zig:26   | Noticed a dread lich
405450 | Zig:26   | Noticed a dread lich
405453 | Zig:26   | Killed a dread lich
405453 | Zig:26   | Noticed a dread lich
405454 | Zig:26   | Killed a dread lich
405454 | Zig:26   | Killed a dread lich
405457 | Zig:26   | Noticed a dread lich
405460 | Zig:26   | Killed a dread lich
405963 | Zig:26   | Identified the amulet "Eruith" {Spirit rPois Int-2 Dex+5
                  | Stlth+}
405972 | Zig:26   | Identified the ring "Yhaokluk" {rC+ Int+6}
405986 | Zig:26   | Identified the ring "Num Gos" {Fire rPois Int-4 Dex+3 SInv}
406046 | Zig:26   | Identified the +3 sling of Laoblamp {antimagic, Dex+3}
406075 | Zig:26   | Identified the ring of Pywa Xoc {rF+ rCorr Int+3 Dex+4}
406079 | Zig:26   | Identified the +11 battleaxe "Forhy" {drain, Dex+4}
406081 | Zig:26   | Identified the +10 arbalest of the Verdant God {flame,
                  | rElec rF+ Dex+3 SInv}
406095 | Zig:26   | Identified the ring "Ycrah" {rPois rF+ rCorr}
406104 | Zig:26   | Identified the +10 dire flail of Lynutiot {vamp, rC+}
406117 | Zig:26   | Identified the staff of Greed {*Slow +Blink rPois rC+ rCorr
                  | Ice}
406130 | Zig:26   | Identified the ring of Faobeshri {rF+ rC++ rN++ Int-3}
406165 | Zig:26   | Identified the ring of Igaox {rF+ Slay+4}
406179 | Zig:26   | Identified the +10 dagger "Seimiyjil" {heavy, rPois rF+
                  | Dex-2}
406410 | Zig:27   | Entered Level 27 of a ziggurat
406610 | Zig:27   | Identified the +8 plate armour of the Barracuda {Fly Dex+4
                  | Stlth-}
406616 | Zig:27   | Identified the +3 whip "Balurghiunu" {freeze, rPois rF-
                  | SInv}
406618 | Zig:27   | Identified the +1 war axe of a Million Quests {elec, rF-
                  | rC- Str+2 Int+7 Stlth+}
406620 | Zig:27   | Identified the +1 pair of boots of the Kettle-Drum {rN+
                  | Will- SInv}
406639 | Zig:27   | Identified the +4 shortbow of the Endless Defenders {elec,
                  | rF+ Str+3 Dex+4}
406643 | Zig:27   | Identified the +2 trident "Otaufafa" {holy, rF+}
406659 | Zig:27   | Identified the +2 leather armour "Jawkiag" {rElec Will+
                  | Stlth-}
406661 | Zig:27   | Identified the +7 arbalest of Agyunav {penet, Dex+3}
406677 | Zig:27   | Identified the +6 lajatang "Errixa" {spect, rPois Int+3}
406685 | Zig:27   | Identified the +5 quarterstaff of the Chickpea {spect, rF+
                  | rC+ Str+2 Stlth+}
406720 | Zig:27   | Identified the staff "Spiderslayer" {rC+ rN+ Necro}
406724 | Zig:27   | Identified the +5 mace "Dixtynij" {elec, rElec rPois rF+}
406728 | Zig:27   | Identified the +4 mace of Light {elec, Int+2 Dex+3}
406729 | Zig:27   | Identified the +1 ring mail "Faga" {rF+ rN+ Int+2 Slay+2}
406735 | Zig:27   | Identified the +6 ring mail of Yserytupn {rElec rC+ Int+2}
406737 | Zig:27   | Identified the ring of Mirth {rPois Dex+4}
406756 | Zig:27   | Identified the granite talisman "Bozxot" {*Slow rCorr Int+2
                  | SInv}
407609 | Tar:1    | Entered Level 1 of Tartarus
407609 | Tar:1    | Noticed an ancient lich
407615 | Tar:1    | Killed an ancient lich
407862 | Tar:5    | You are sucked into a shaft and drop 1 floor!
407884 | Tar:7    | Entered Level 7 of Tartarus
408025 | Tar:7    | Identified the ring of Osem {rElec rPois rCorr Dex+2}
408081 | Tar:7    | Noticed Ereshkigal
408092 | Tar:7    | Killed Ereshkigal
408109 | Tar:7    | Identified the staff "Ronagokk" {Conj Earth}
408114 | Tar:7    | Got a bone rune of Zot
408228 | Coc:1    | Entered Level 1 of Cocytus
408334 | Coc:6    | Noticed a dread lich
408350 | Coc:7    | Entered Level 7 of Cocytus
408428 | Coc:7    | Noticed Antaeus
408444 | Coc:7    | Killed Antaeus
408457 | Coc:7    | Got an icy rune of Zot
408561 | Dis:1    | Entered Level 1 of the Iron City of Dis
408774 | Dis:7    | Entered Level 7 of the Iron City of Dis
408844 | Dis:7    | Noticed the Serpent of Hell
408852 | Dis:7    | Killed the Serpent of Hell
408864 | Dis:7    | Noticed a dread lich
408866 | Dis:7    | Killed a dread lich
408907 | Dis:7    | Noticed Dispater
408907 | Dis:7    | Noticed a juggernaut
408909 | Dis:7    | Killed a juggernaut
408914 | Dis:7    | Killed Dispater
408922 | Dis:7    | Got an iron rune of Zot
408942 | Dis:7    | Noticed a juggernaut
408945 | Dis:7    | Killed a juggernaut
409044 | Geh:1    | Entered Level 1 of Gehenna
409753 | Geh:7    | Entered Level 7 of Gehenna
409930 | Geh:7    | Found the +13 sceptre of Asmodeus
409930 | Geh:7    | Noticed Asmodeus
409937 | Geh:7    | Killed Asmodeus
409950 | Geh:7    | Got an obsidian rune of Zot
410192 | Zot:5    | Got the Orb of Zot
410350 | Depths:3 | Noticed a seraph
410368 | Depths:3 | Killed a seraph
410468 | D:15     | Noticed Touf the pandemonium lord
410475 | D:15     | Killed Touf the pandemonium lord
410561 | D:11     | Noticed Yfoex the pandemonium lord
410564 | D:11     | Killed Yfoex the pandemonium lord
410792 | D:5      | Found a bloodstained altar of Trog.
410870 | D:5      | Noticed a seraph
410872 | D:4      | :hmmm
410872 | D:4      | :do i need to kill edmund for t
410872 | D:4      | :i do not
410937 | D:1      | :oh no
410937 | D:1      | :no dig
410937 | D:1      | :poor edmund
411013 | D:1      | :there we go
411013 | D:1      | :not forgetting the orb this time
411022 | D:$      | Escaped with the Orb!

Illustrated notes #........................... #........................... #......................>.... ##.####.##.......##.#.###... #### ####.#......##### ##.. #.#.###.#........### #... #...........#....P# #... #...............## ##.. #>._...@......P.## #.. #...................# #.. ##...##.#.........### ##.. #.#.# ###.....#....# #P.. # ## ##.........## #... #####..#...## #... ##.#....# ##.. #.#.....###### #........#P# # Turn 75981 on Lair:4: :hmm # ## .## ..# ##### .## ##∩#∩## ### #∩...∩# #.## ###.#@### ...# ##.......## ...# ### #..#...#..# #.####.# ##.........## ####...# #...#...#...# .##....###...........## .#.^..###....#...#....# ......# #.............# .#.#.## #....#...#....# Turn 76271 on Orc:2: :what am i missing ▓▓▓▓▓▓▓▓▓▓ ▓.........▓ ▓.........▓ ▓▓▓.........▓▓▓▓▓▓ .................▓ ..............)=|▓ ...........?..)..▓ ..............[/∩▓ ............../)@▓ ................∩▓ ............[...)▓ .................▓ .................▓ ▓▓▓.........▓▓▓▓▓▓ ▓.........▓ ▓.........▓ ▓▓▓▓▓▓▓ Turn 96113 on Zig:9: :should have left some of inv outside before first zig ..≈......#≈#..........▓ .≈.≈.....≈#≈§.........▓ ..≈....).#§#§......[):▓ ..................))?.▓ ......))...........).∩▓ ......))..........?).>▓ .......)..........:/(∩▓ ...................)=)▓ ..≈......#≈#....@../::▓ .≈.≈.....§#≈..........▓ ..≈......#≈#..........▓ ▓...........▓▓▓▓▓▓▓▓▓▓▓ ▓...........▓ ▓...........▓ ▓...........▓ ▓...........▓ ▓▓▓▓▓▓▓▓▓▓▓▓▓ Turn 97968 on Zig:19: :what am i still missing ################ ................ #...z# #....# ........# ######### Turn 115696 on Pan: :finally ########################## #...........>#......#..... ##...^^.^..^.#....^.'..... ▓#..^........^#......#..... ▓.#.......z...#......#..... ▓##......########'######### ##.....#.[................ #..^...#......)........... ##.#..##.................. #.....#.................. #..^..#...).............. ▓▓▓##.....#|..(..(........... ▓▓▓##.....#...#.............. Turn 133482 on Tomb:2: :hmm ...[[[#########)[[....}....)..... ......# #[[..=.......)...=. |....)# #.................. ..[..[# ####...[....(...[[[... |.....######=.==............[[... ......[.."........[#.#........... ?.....................).|........ ........./...∩∩∩......)......)... =...../......∩∩∩z.[...........[.. =.!..?#'###+..........[.|.=.[.... ###'###........=..........=...... .?......)[...........[........... .....#######.#...?.....=....=.... .?...#==..................=.=..#. ."..=#==......[.....[.....=...... ....=#==...#..................... .....#...###..[.....[.[..}}.....# Turn 160941 on Depths:3: :zig time check: 11:17 enter ######........###...###..##...... .......#'##....^.....#....##..... .......#..#.||......"#.....###.## .......#".'..|...=.."...#........ .......#==#..|.............[..... .......####................=..... #########)[[....}....)........... # #[[..=.......)...=......# # #.......z..............#. # ####...[....(...[[[......... ######=.==............[[......... [.."........[#.#................. ................).|............#. .../...∩∩∩......)......).......#. /......∩∩∩∩.[...........[.......# #'###+..........[.|.=.[.....#.... #........=..........=............ Turn 169071 on Depths:3: :zig time 11:53 end .............####................ ...[[[#########)[[....}....)..... ......# #[[..=.......)...=. |....)# #.................. ..[..[# ####...[....(...[[[... |.....######=.==............[[... ......[.."........[#.#........... ?.....................).|........ ........./...∩∩∩z.....)......)... =...../......∩∩∩∩.[...........[.. =.!..?#'###+..........[.|.=.[.... ###'###........=..........=...... .?......)[...........[........... .....#######.#...?.....=....=.... .?...#==..................=.=..#. ."..=#==......[.....[.....=...... ....=#==...#..................... Turn 169296 on Depths:3: :12:03 zig in

[.|.....######=.==............[[.
........[.."........[#.#.........
..?............∩........).|......
.........../...∩∩∩∩.....)......).
..=...../......∩∩∩∩.[...........[
.==.!..?#'###+..........[.|.=.[..
#####'###........=..........=....
=..?......)[...........[.........
.......#######.#z..?.....=....=..
...?...#==..................=.=..
..."..=#==......[.....[.....=....
......=#==...#...................
.......#==.###..[.....[.[..}}....
...[.).#...#..[......."....}.....
.......#..##.∩....(..............
.......#...#...#......"".#.......
.......#)..#####.#..######.......


Turn 178491 on Depths:3: :12:54 zig end ▓▓▓ ▓▓▓.▓▓▓ ▓...).▓ ▓▓..ZZZ▓▓ ▓..ZZzZ.▓
▓▓..ZZZ▓▓ ▓...Z.▓ ▓▓▓.▓▓▓ ▓▓▓ Turn 178677 on Zig:1: :12:57 zig start
.?=."..%........#==#..|.......... ................####.............
===...[[[#########)[[....}....).. .........# #[[..=.......).. ...|....)#
#............... .....[..[# ####...[....(...[[[
.[.|.....######=.==............[[ =........[.."........[#.#........
...?............z........).|..... ".........../...∩∩∩∩.....)...=..)
[..=...../......∩∩∩∩.[........... [.==.!..?#'###+..........[.|.=.[.
######'###........=..........=... .=..?......)[...........[........
........#######.#...?.....=....=. ....?...#==..................=.=.
...."..=#==......[.....[.[...=... Turn 189108 on Depths:3: :13:57 zig end
▓▓▓▓▓▓▓ ▓▓.....▓▓ ▓...Z.$$▓ ▓..ZZZ$∩▓ ▓∩ZZz$$>▓ ▓..ZZ.$∩▓ ▓.....$$▓ ▓▓.....▓▓
▓▓▓▓▓▓▓ Turn 189353 on Zig:1: :zig start 14:05 $$znzLz ▓▓▓▓▓▓▓▓▓W$$V2LW
▓$$○)§$$z$$W$LWz ▓§○☼☼○$§WW$L$2LV ▓.§.$§$○○Z$$$WLL ▓)§§☼§$§$$$W..Wz
▓○§○$§.○§$ZV$.Lz ▓☼$§.☼○$z$$LWVzz ▓§§$)[$W§VLnLzL3 ▓.☼☼☼☼☼§§☼○2zzWL
▓§§.§§§§§○°WL○zz ▓§))$$$§$$§.$zW. ▓$○§)○§○☼○°$WWWV ▓▓▓▓▓▓▓▓▓$$LV$L. $zzWzWL Turn
296271 on Zig:17: :hmm .......▓ .).....▓ .)...).▓▓▓▓▓▓▓▓▓▓▓ ....))..|=):[:)).▓
.).)))..|))[.../)▓ ..).)))))))))|./.▓ )..)....)))))..|)▓ .))....)/))=)?/?∩▓
.))))).)))):)/)|z▓ ).).).))|)?))))!∩▓ ).)..))))):))./?.▓ ..)).))):?):=/..[▓
)))....))))?.:=..▓ )).)....))(=!|)|!▓ ..).)..▓▓▓▓▓▓▓▓▓▓▓ )).)...▓ .......▓ Turn
298389 on Zig:19: :and maybe see about writing an automated pickup for rings and
staves (and auxes?) with better artps to eliminate any need to look at them #..#
#. #..# #. #..# #. ##..# #. #...######## #####. #..........# #..... #.########.#
#.##.. #.# #@# #.##.# ##.# #z# #.##)# #..# #1# #.##.# #.## #.# #.##.# #.# #.#
#.##.# ####.####### #.# ########.##.# #.........<# #.# #........##.#
#.##.#####.# #.# #.#########.# #.##.#####.# #.# #.# #.# ###.#.%...##.# #.# #.#
#.# Turn 410872 on D:4: :hmmm ..# #. #..######## ..# #. ##........# ..# ##
#........# ..# #........# ### #..<.....# ## +.>......# .# ########## .### ###..#
...###########K@z># ..#........#.>##..# .........1.'####..# ..#........## ####
..#.####...# #.#.# #..... ....# #...... ##### #.###### # .:. Turn 410937 on D:1:
:oh no #########.#### ....# ##.##### ....# #......# ....# #.####.## ....# #.
#..######## ....# #. ##........# ....# ## #........# ....# #.@......# .####
#..z.....# .### +.>......# ...# ########## .#.### ###..# .....###########.$.>#
.#..#........#.>##..# .#...........'####..# ....#........## #### ....#.####...#
Turn 411013 on D:1: :there we go

Levels and vault maps discovered:
D:1:      dpeg_arrival_connections, layout_loops_cross, kennysheep_crisscross
D:2:      layout_loops_cross, basic_altar, guppyfry_early_lair_pool
D:3:      layout_loops_corners, lemuel_coloured_pillars_altar, chequers_jeans
D:4:      layout_loops_ring, mainiacjoe_overflow_boulevard, temple_pool_b,
          serial_shops, shop
D:5:      layout_basic, vehumet_statue, mainiacjoe_overflow_24_doors,
          uniq_grinder, uniq_edmund, uniq_eustachio
D:6:      layout_cave_pools
D:7:      layout_loops_ring, lemuel_doored_altar, serial_shops, shop_statue,
          palyth_stone_intersect, uniq_jeremiah, uniq_pikel
D:8:      layout_cave_pods, grunt_ministairs_4, st_stairs_12
D:9:      layout_roguey
D:10:     layout_loops_ring, ashenzari_conservatory_becter,
          mainiacjoe_overflow_six_doors_small, mainiacjoe_overflow_big_doors,
          erik_lair_orcish_takeover, david_orc_3
D:11:     layout_irregular_city, lightli_corner_chamber, uniq_maurice
D:12:     layout_roguey, gauntlet_entry_generic
D:13:     layout_long_grid
D:14:     layout_basic, david_vaults_4, grunt_decor_junction,
          minmay_misc_feat_four_crosses, hive_lemuel
D:15:     gammafunk_depths_entry_grave, layout_irregular_city,
          grunt_decor_one_mirror, nicolae_the_louvre, uniq_josephine
Temple:   nicolae_temple_ecumenical_triangle
Lair:1:   layout_roguey, chequers_serial_rivers_micro_d,
          chequers_serial_rivers_micro_e, minmay_shattered_shrine
Lair:2:   nzn_winding_woodlands_medium [nzn_winding_woodlands_5x5_open_star,
          nzn_winding_woodlands_5x15_crooked,
          nzn_winding_woodlands_5x5_checkerboard,
          nzn_winding_woodlands_5x5_closed_star,
          nzn_winding_woodlands_center_garden, nzn_winding_woodlands_hourglass,
          nzn_winding_woodlands_5x5_perimeter,
          nzn_winding_woodlands_5x15_garden, nzn_winding_woodlands_5x5_default],
          layout_chaotic_city, nicolae_shoals_entry_flooding,
          minmay_snake_entry_guardpost_small, kennysheep_rathole,
          infiniplex_staircase_pool
Lair:3:   layout_loops_ring, basic_altar, uniq_nergalle
Lair:4:   layout_hall_layers, slime_entry_2, hangedman_tree_tricks,
          grunt_megastairs_3
Lair:5:   minmay_lair_end_frog_pond, layout_cave_pods, serial_bayou_shore_b,
          uniq_snorg
Shoals:1: layout_shoals, uniq_nikola
Shoals:2: layout_shoals, serial_shops, shop, serial_nicolae_subway,
          nicolae_sub_station_metal, nicolae_sub_station_stone,
          nicolae_sub_station_crystal
Shoals:3: layout_shoals, uniq_polyphemus
Shoals:4: shoals_end_hellmonk_storm_palace [storm_palace_center_circular,
          storm_palace_corner_grid, storm_palace_corner_grid,
          storm_palace_corner_reverse_hut, storm_palace_corner_altar],
          serial_shops, uniq_donald
Snake:1:  layout_chambers, serial_shops, shop, nicolae_snake_gridmaze_tees,
          uniq_frances
Snake:2:  layout_misc_corridors
Snake:3:  layout_layer_cave, serial_bayou_shore_a
Snake:4:  minmay_snake_end_coiled, layout_cave_town, serial_bayou_pond_b,
          st_stairs_14, nicolae_snake_omega, serial_bayou_shore_b, uniq_aizul
Slime:1:  layout_caves
Slime:2:  cheibrodos_slime_lost_civilization_2, layout_caves,
          nicolae_slime_getting_an_eyeful
Slime:3:  layout_caves, nicolae_slime_crime_time
Slime:4:  layout_caves
Slime:5:  slime_pit_nicolae_amoeboid
Orc:1:    layout_caves, serial_shops, nicolae_shop_hallway_stairs, uniq_sonja
Orc:2:    st_orc_pillars, layout_caves, serial_shops,
          nicolae_shop_hallway_stairs, nicolae_orc_seminary
Elf:1:    eino_elf_arrival_shootout, layout_geoelf_octagon,
          ploomutoo_gammafunk_ghost_potion_laboratory, serial_shops, shop,
          nicolae_elf_crossing_hall
Elf:2:    elven_hall_of_blades_hangedman_original
          [nicolae_vaults_blade_armed_guards], layout_geoelf_diagonals,
          serial_shops, nicolae_shop_just_a_little_nook,
          hangedman_elf_targeted_burst
Elf:3:    minmay_elf_hall_spiked, layout_geoelf_grid, serial_shops,
          nicolae_square_shop, gammafunk_ghost_fury_of_okawaru
Vaults:1: portal_desolation_entry_nicolae_slug, v_alt_pattern_1,
          vaults_room_grunt_arrival_ludios, nicolae_vaults_bisected_slash,
          hangedman_vaults_stagger, hangedman_vaults_maws,
          nicolae_vaults_ellipses_ellipsis, nicolae_vaults_little_ls,
          vaults_dpeg_emergency_exit, nicolae_vaults_trapezoid_lopsided_3,
          v_misc_22, hangedman_vaults_pinch, dpeg_vaults_monster_box,
          layout_vaults_omnibox, serial_shops, shop, uniq_asterion
Vaults:2: nicolae_vaults_closet_pinwheel_1, nicolae_vaults_octothorpe,
          nicolae_vaults_little_squares_6, nicolae_vaults_storage_room_doors,
          nicolae_vaults_yaktaur_gun_rack, nicolae_vaults_closet_pinwheel_2,
          hangedman_vaults_trim, v_misc_11, vaults_standard_mumra_lines,
          nicolae_vaults_trapezoid_lopsided_4, grunt_vaults_hallway_short,
          layout_vaults_omnicross, uniq_mara
Vaults:3: nicolae_vaults_door_testing_chamber, hangedman_vaults_corner,
          nicolae_vaults_tetromino_Z_1, v_pattern_2,
          nicolae_vaults_border_crossing, minmay_crypt_entry_vampire_xt,
          nicolae_vaults_trapezoid_4, hangedman_vaults_impose,
          grunt_vaults_funnel, hangedman_vaults_nails, layout_vaults_big_room,
          serial_shops, shop
Vaults:4: nicolae_vaults_network_square,
          nicolae_vaults_taking_the_gang_shopping, hangedman_vaults_cutoff,
          nicolae_vaults_more_shelving_1, nicolae_vaults_closet_pinwheel_1,
          ontoclasm_vaults_decontamination, v_misc_2, nicolae_vaults_house_2,
          vaults_dpeg_ring, layout_vaults_omnigrid, serial_shops, shop
Vaults:5
Crypt:1:  layout_gridlike, grunt_megastairs_2
Crypt:2:  layout_misc_corridors, roadster_capsule_ark_zombie
Crypt:3:  grunt_crypt_end_deaths_head
Tomb:1
Tomb:2
Tomb:3
Depths:1: layout_basic, nicolae_qazlal_eye_of_the_storm,
          pf_vacation_house_of_asmodeus, serial_co_window_serial,
          co_window_paths_a, co_window_paths_b, co_window_paths_b,
          co_window_paths_a, co_window_corner_a, co_window_paths_c,
          co_window_corner_cb, co_window_of_opportunity_b,
          co_window_of_opportunity_c, co_window_corner_cb, co_window_broadway_a,
          glass_columns_a, glass_columns_a, glass_columns_c,
          nicolae_ru_awakened_eye
Depths:2: regret_index_dithmenos_brocken_genspenst, layout_twisted_cross,
          grunt_pan_entry_sceptre, hell_entry, kennysheep_small_spiral,
          serial_sigils, serial_sigils_hangedman_gnaw,
          serial_sigils_hangedman_writhe, serial_sigils_hangedman_clutch,
          serial_sigils_hangedman_etch, serial_sigils_hangedman_confine,
          serial_sigils_hangedman_quiver
Depths:3: minmay_curly_fans, layout_gridville, enter_ziggurat_d,
          hangedman_coc_ice_floe, abyss_entry, pan_entry
Depths:4: grunt_crosshair, layout_long_grid, hellmouth_1, patterned_corridor,
          rand_demon_pan_entry_5, serial_shops, shop_fountains, shop,
          nicolae_shop_tiny_waterfront
Hell
Dis:1:    layout_subdivisions
Dis:2:    layout_jigsaw
Dis:3:    layout_jigsaw
Dis:4:    layout_subdivisions
Dis:5:    layout_gridville
Dis:6:    nicolae_dis_pentagon_1, layout_subdivisions, nicolae_dis_scattering
Dis:7:    dis_hangedman
Geh:1:    layout_gehenna_lava_caves
Geh:2:    layout_gehenna_pools_triple
Geh:3:    hangedman_generic_boss_arena
Geh:4:    layout_gehenna_pools_triple, lemuel_flamethrower_2
Geh:5:    layout_gehenna_lava_caves
Geh:6:    layout_gehenna_pools_triple
Geh:7:    geh_hangedman
Coc:1:    layout_ice_bergs
Coc:2:    layout_cocytus_water_paths
Coc:3:    layout_cocytus_water_paths, nicolae_hells_seeping_fissure
Coc:4:    layout_cocytus_water_paths
Coc:5:    layout_ice_bergs
Coc:6:    layout_cocytus_delve
Coc:7:    coc_grunt_cove [coc_grunt_cove_antaeus, coc_grunt_cove_fiend,
          coc_grunt_cove_fiend, coc_grunt_cove_fiend, coc_grunt_cove_fiend]
Tar:1:    layout_grid_maze
Tar:2:    layout_cathedral_of_symmetry
Tar:3:    layout_grid_maze
Tar:4:    layout_catacombs, nicolae_tar_cuneiform_to_be,
          nicolae_tar_cuneiform_water, nicolae_tar_four_comb_rooms
Tar:5:    hangedman_restless_catacombs
Tar:6:    nicolae_tar_checkpoint_tarlie, layout_cathedral_of_symmetry,
          nicolae_tar_combbox
Tar:7:    tar_minmay_river
Zot:1:    regret_index_qazlal_generations, layout_basic
Zot:2:    layout_misc_corridors, regret_index_zotdec_banners, uniq_grunn
Zot:3:    layout_gridlike, regret_index_zotdec_abyssal_contain_seething_sorcery,
          st_stairs_12, grunt_megastairs_5
Zot:4:    layout_misc_corridors, st_stairs_1, nicolae_rock_paper_scissors
Zot:5:    layout_onion

Skill      XL: |  1  2  3  4  5  6  7  8  9 10 11 12 13 14 15 16 17 18 19 20 21 22 23 24 25 26 27 |
---------------+----------------------------------------------------------------------------------+-----
Fighting       | 2 4 6 10 14 17 27 | 27.0
Earth Magic    | 4 5 6 7 10 11 13 15 18 20 21 22 25 26 27 | 27.0
Spellcasting   | 4 6 7 10 11 13 14 17 18 21 24 26 27 | 27.0
Short Blades   | 2 4 27 | 27.0
Armour         | 8 10 15 27 | 27.0
Conjurations   | 10 27 | 27.0
Stealth        | 5 8 10 27 | 27.0
Evocations     | 7 27 | 27.0
Fire Magic     | 1 27 | 27.0
Throwing       | 4 10 27 | 27.0
Shapeshifting  | 6 12 27 | 27.0
Necromancy     | 27 | 27.0
Air Magic      | 27 | 27.0
Dodging        | 27 | 27.0
Staves         | 27 | 27.0
Translocations | 27 | 27.0
Invocations    | 27 | 27.0
Ice Magic      | 27 | 27.0
Shields        | 27 | 27.0
Unarmed Combat | 27 | 27.0
Alchemy        | 27 | 27.0
Long Blades    | 27 | 27.0
Ranged Weapons | 27 | 27.0
Summonings     | 27 | 27.0
Hexes          | 27 | 27.0
Maces & Flails | 27 | 27.0
Axes           | 27 | 27.0
Polearms       | 27 | 27.0

Action                     |  1- 3 |  4- 6 |  7- 9 | 10-12 | 13-15 | 16-18 | 19-21 | 22-24 | 25-27 || total
---------------------------+-------+-------+-------+-------+-------+-------+-------+-------+-------++-------
  Melee: Dagger            |     1 |     6 |    57 |    17 |    58 |   136 |    33 |       |       ||   308
         Rapier            |       |       |       |       |       |     2 |       |       |    23 ||    25
         Staff             |       |       |       |       |       |       |    79 |    80 |   595 ||   754
         Bo                |       |       |       |       |       |       |       |       |   393 ||   393
         Headbutt          |       |       |       |       |       |       |       |       |     7 ||     7
         Demon trident     |       |       |       |       |       |       |       |       |     1 ||     1
         Knife             |       |       |       |       |       |       |       |       |     1 ||     1
   Fire: Sling             |     2 |       |       |       |       |       |       |       |       ||     2
  Throw: Dart              |       |       |     1 |       |       |     7 |       |       |       ||     8
         Throwing net      |       |       |       |       |       |     4 |       |       |       ||     4
         Javelin           |       |       |       |       |       |       |       |       |   691 ||   691
   Cast: Sandblast         |    27 |    57 |   163 |   388 |   187 |    86 |     2 |       |       ||   910
         Stone Arrow       |       |       |     1 |       |   718 |  1546 |   583 |     2 |     3 ||  2853
         Lee's Rapid Decon |       |       |       |       |       |    17 |   188 |     3 |       ||   208
         Brom's Barrelling |       |       |       |       |       |     4 |       |       |       ||     4
         Petrify           |       |       |       |       |       |     3 |       |       |       ||     3
         Borgnjor's Vile C |       |       |       |       |       |       |    21 |     1 |       ||    22
         Shatter           |       |       |       |       |       |       |    22 |   296 |  4570 ||  4888
         Leda's Liquefacti |       |       |       |       |       |       |     2 |       |     7 ||     9
         Lehudib's Crystal |       |       |       |       |       |       |       |     9 |   102 ||   111
         Ignition          |       |       |       |       |       |       |       |       |  4521 ||  4521
         Chain Lightning   |       |       |       |       |       |       |       |       |  4015 ||  4015
         Death Channel     |       |       |       |       |       |       |       |       |   569 ||   569
         Disjunction       |       |       |       |       |       |       |       |       |   514 ||   514
         Polar Vortex      |       |       |       |       |       |       |       |       |    58 ||    58
         Apportation       |       |       |       |       |       |       |       |       |    32 ||    32
         Fire Storm        |       |       |       |       |       |       |       |       |    10 ||    10
         Ozocubu's Refrige |       |       |       |       |       |       |       |       |     8 ||     8
         Martyr's Knell    |       |       |       |       |       |       |       |       |     5 ||     5
         Summon Forest     |       |       |       |       |       |       |       |       |     3 ||     3
         Discord           |       |       |       |       |       |       |       |       |     3 ||     3
         Spellforged Servi |       |       |       |       |       |       |       |       |     2 ||     2
         Olgreb's Toxic Ra |       |       |       |       |       |       |       |       |     2 ||     2
         Infestation       |       |       |       |       |       |       |       |       |     1 ||     1
         Freezing Cloud    |       |       |       |       |       |       |       |       |     1 ||     1
 Invoke: Potion Petition   |       |       |       |       |       |       |     3 |     5 |  3580 ||  3588
Ability: Begin Untransform |       |       |       |       |       |       |       |       |    49 ||    49
         Evoke Invisibilit |       |       |       |       |       |       |       |       |    26 ||    26
  Evoke: Wand              |       |       |    13 |     4 |     5 |    10 |     1 |       |     3 ||    36
         Condenser vane    |       |       |       |       |     1 |     2 |     1 |       |    16 ||    20
         Phantom mirror    |       |       |       |       |       |     1 |     1 |       |       ||     2
         Box of beasts     |       |       |       |       |       |     1 |     1 |       |     1 ||     3
         Figurine of a zig |       |       |       |       |       |       |       |       |    26 ||    26
    Use: Scroll            |       |     2 |     4 |     7 |    15 |    16 |     6 |     2 |   369 ||   421
         Potion            |       |       |     5 |     1 |     6 |     3 |     4 |     1 |   643 ||   663
   Stab: Sleeping          |       |       |       |       |     1 |       |       |       |     4 ||     5
         Distracted        |       |       |       |       |     1 |       |     1 |     2 |    29 ||    33
         Petrified         |       |       |       |       |       |    11 |       |       |     1 ||    12
         Petrifying        |       |       |       |       |       |     1 |       |       |     1 ||     2
         Invisible         |       |       |       |       |       |       |       |       |    36 ||    36
 Armour: Robe              |     4 |    46 |    14 |       |       |  1204 |   509 |   283 |  1765 ||  3825
         Leather armour    |       |       |    81 |   295 |   760 |   279 |       |    16 |   502 ||  1933
         Ring mail         |       |       |       |       |       |    67 |       |       |       ||    67
         Skin              |       |       |       |       |       |    12 |       |       |       ||    12
         Scale mail        |       |       |       |       |       |       |   179 |       |       ||   179
         Crystal plate arm |       |       |       |       |       |       |       |       |  8157 ||  8157
  Dodge: Dodged            |     4 |    30 |    65 |   180 |   410 |   747 |   274 |   110 |  4221 ||  6041
         Repelled          |       |       |       |       |       |       |       |       |   212 ||   212
   Form: Death             |       |       |       |       |       |       |       |       |    60 ||    60
                           |       |       |       |       |       |       |       |       |    10 ||    10
         Dragon            |       |       |       |       |       |       |       |       |     1 ||     1
